 Dungeon Crawl Stone Soup version 0.31.0-11-ge490571c62 (webtiles) character file.

Game seed: 11275935414751742144

6171425 Aviak the Archmage (level 27, 273/273 HPs)
             Began as a Demonspawn Shapeshifter on Jan 27, 2024.
             Was an Initiate of Gozag.
             Escaped with the Orb
             ... and 15 runes
             ... and 2 gems (both intact) on Jan 31, 2024!
             The game lasted 1 day 04:32:39 (369343 turns).

Aviak the Archmage (Demonspawn Shapeshifter)  Turns: 369343, Time: 1 , 04:32:40

Health: 273/273    AC: 49    Str: 25    XL:     27
Magic:  59/81      EV: 15    Int: 39    God:    Gozag
Gold:   504176     SH: 32    Dex: 12    Spells: 1/80 levels left

rFire   + + +        I - +3 Elemental Staff {ele, rElec rF+ rC+ AC+3}
rCold   + + +        c - +8 tower shield {rF+}
rNeg    + + +        y - +8 orange crystal plate armour {Archmagi, Int+3 Clar}
rPois   ∞            J - +1 helmet "Fughomez" {MP+9 Str+7}
rElec   +            (cloak unavailable)
rCorr   .            K - +0 pair of gloves of the Amoeba {rElec rF+++ Will+ Stlth-}
SInv    .            Q - +0 pair of boots "Vureuq" {rC++ Regen+}
Will    +++++        M - amulet of Vitality {RegenMP++ Regen++}
Stlth   +            o - ring "Azaett" {rElec rF++ MP+9 Str+6 Dex+3}
HPRegen 3.05/turn    P - ring of the Mage {Wiz Archmagi}
MPRegen 1.74/turn

%: clarity, guardian spirit, wizardry (x1), archmagi
@: death-form, gold aura
A: vile attack, torment immunity, no potions, hurl damnation, powered by pain 3,
torment resistance 1, magic shield, magic regeneration, magic link, (sanguine
armour 3), demonic willpower, weakness stinger 3, thin skeletal structure 1,
clever 2, robust 1
0: Orb of Zot
}: 15/15 runes: decaying, slimy, silver, golden, iron, obsidian, icy, bone,
abyssal, demonic, glowing, magical, fiery, dark, gossamer
a: Hurl Damnation, Siphon Essence, Begin Untransformation, Renounce Religion,
Potion Petition, Call Merchant, Bribe Branch


You escaped.
You worshipped Gozag.
Gozag was exalted by your worship.
You were an undying horror.
You visited 18 branches of the dungeon, and saw 88 of its levels.
You visited Pandemonium 1 time, and saw 21 of its levels.
You visited the Abyss 5 times.
You visited 28 ziggurats (completing 27), and saw 731 of their levels.
You also visited: Trove, Sewer and Wizlab.

You collected 1911563 gold pieces.
You spent 10484 gold pieces at shops.
You paid 1396903 gold pieces to Gozag.

Inventory:

Hand Weapons
 d - a +9 broad axe of flaming
 u - the +9 broad axe of the Solemn God {speed, +Blink rPois rF- rCorr}
   (You found it on level 27 of a ziggurat)

   rF-:       It makes you vulnerable to fire.
   rPois:     It protects you from poison +Blink: It lets you blink.
   rCorr:     It protects you from acid and corrosion.
 I - the +3 Elemental Staff (weapon) {ele, rElec rF+ rC+ AC+3}
   (You found it on level 8 of a ziggurat)

   AC+3:      It affects your AC (+3).
   rF+:       It protects you from fire.
   rC+:       It protects you from cold.
   rElec:     It insulates you from electricity.
Missiles
 R - 1025 silver javelins (quivered)
Armour
 c - a +8 tower shield of fire resistance (worn)
 j - an orb of mayhem
 y - the +8 orange crystal plate armour (worn) {Archmagi, Int+3 Clar}
   (You found it on level 21 of a ziggurat)

   Int+3:     It affects your intelligence (+3).
   Clar:      It protects you from confusion, rage, mesmerisation and fear.
 J - the +1 helmet "Fughomez" (worn) {MP+9 Str+7}
   (You found it on level 26 of a ziggurat)

   Str+7:     It affects your strength (+7).
   MP+9:      It affects your magic capacity (+9).
 K - the +0 pair of gloves of the Amoeba (worn) {rElec rF+++ Will+ Stlth-}
   (You found it on level 17 of a ziggurat)

   rF+++:     It renders you almost immune to fire.
   rElec:     It insulates you from electricity.
   Will+:     It increases your willpower.
   Stlth-:    It makes you less stealthy.
 Q - the +0 pair of boots "Vureuq" (worn) {rC++ Regen+}
   (You found it on level 22 of a ziggurat)

   rC++:      It greatly protects you from cold.
   Regen+:    It increases your rate of health regeneration.
Jewellery
 a - the ring "Nuyrphaak" {+Blink rPois Will+}
   (You found it on level 20 of a ziggurat)

   [ring of willpower]

   rPois:     It protects you from poison Will+: It increases your willpower.
   +Blink:    It lets you blink.
 l - the ring "Irighys" {rC+++ Str+2 Int-3 Dex+6 Stlth-}
   (You found it on level 12 of a ziggurat)

   [ring of dexterity]

   Str+2:     It affects your strength (+2).
   Int-3:     It affects your intelligence (-3).
   Dex+6:     It affects your dexterity (+6).
   rC+++:     It renders you almost immune to cold.
   Stlth-:    It makes you less stealthy.
 m - the ring of Haimmow {+Blink rF+ Str+6 Int-5 Slay+2}
   (You found it on level 19 of a ziggurat)

   [ring of protection from fire]

   Str+6:     It affects your strength (+6).
   Int-5:     It affects your intelligence (-5).
   Slay+2:    It affects your accuracy & damage with ranged weapons and melee
   (+2).
   rF+:       It protects you from fire.
   +Blink:    It lets you blink.
 o - the ring "Azaett" (left hand) {rElec rF++ MP+9 Str+6 Dex+3}
   (You found it on level 21 of a ziggurat)

   [ring of strength]

   Str+6:     It affects your strength (+6).
   Dex+3:     It affects your dexterity (+3).
   rF++:      It greatly protects you from fire.
   rElec:     It insulates you from electricity.
   MP+9:      It affects your magic capacity (+9).
 L - the amulet of Xom's Sleight of Hands {RegenMP rPois rC++ rCorr Int-3}
   (You found it on level 23 of a ziggurat)

   [amulet of magic regeneration]

   RegenMP:   It increases your rate of magic regeneration.
   Int-3:     It affects your intelligence (-3).
   rC++:      It greatly protects you from cold.
   rPois:     It protects you from poison rCorr: It protects you from acid and
   corrosion.
 M - the amulet of Vitality (around neck) {RegenMP++ Regen++}
   (You found it on level 15 of a ziggurat)

   [amulet of magic regeneration]

   RegenMP:   It increases your rate of magic regeneration.
   Regen++:   It increases your rate of health regeneration.
 P - the ring of the Mage (right hand) {Wiz Archmagi}
   (You found it on level 18 of a ziggurat)

   [ring of wizardry]

   Wiz:       It improves your spell success rate.
   Archmagi:  It increases the power of your magical spells.
 Z - the ring "Davyek" {rElec rF+++ Will- Int+2 Dex+6}
   (You found it on level 27 of a ziggurat)

   [ring of dexterity]

   Int+2:     It affects your intelligence (+2).
   Dex+6:     It affects your dexterity (+6).
   rF+++:     It renders you almost immune to fire.
   rElec:     It insulates you from electricity.
   Will-:     It decreases your willpower.
Talismans
 E - the death talisman "Zupnogh" (active) {rElec MP+9 Int+4 Dex-5}
   (You found it on level 20 of a ziggurat)

   [talisman of death]

   Int+4:     It affects your intelligence (+4).
   Dex-5:     It affects your dexterity (-5).
   rElec:     It insulates you from electricity.
   MP+9:      It affects your magic capacity (+9).
Wands
 b - a wand of roots (2961)
 v - a wand of digging (1258)
 A - a wand of light (1670)
Scrolls
 f - 8 scrolls of acquirement
 n - 83 scrolls of torment {!r}
 q - 9 scrolls of noise {!r!r}
 r - 218 scrolls of silence {!r}
 s - 25 scrolls of summoning {!r}
 t - 897 scrolls of teleportation
 w - 667 scrolls of fog
 x - 448 scrolls of blinking
 O - 354 scrolls of revelation
 S - 67 scrolls of fear
 Y - 257 scrolls of immolation
Potions
 e - 933 potions of mutation {!q}
 g - 270 potions of experience
Miscellaneous
 h - a +27 figurine of a ziggurat
 i - a phial of floods
 B - the horn of Geryon
 F - a condenser vane
 U - a lightning rod (4/4)


   Skills:
 O Level 27 Fighting
 O Level 27 Short Blades
 O Level 27 Long Blades
 O Level 27 Axes
 O Level 27 Maces & Flails
 O Level 27 Polearms
 O Level 27 Staves
 O Level 27 Ranged Weapons
 O Level 27 Throwing
 O Level 27 Armour
 O Level 27 Dodging
 O Level 27 Stealth
 O Level 27 Shields
 O Level 27 Unarmed Combat
 O Level 27 Spellcasting
 O Level 27 Conjurations
 O Level 27 Hexes
 O Level 27 Summonings
 O Level 27 Necromancy
 O Level 27 Translocations
 O Level 27 Fire Magic
 O Level 27 Ice Magic
 O Level 27 Air Magic
 O Level 27 Earth Magic
 O Level 27 Alchemy
 O Level 27 Invocations
 O Level 27 Evocations
 O Level 27 Shapeshifting


You had one spell level left.
You knew the following spells:

 Your Spells              Type           Power      Damage    Failure   Level
a - Lesser Beckoning      Tloc           100%       N/A       0%          2
b - Chain Lightning       Conj/Air       100%       3d133     1%          9
c - Shatter               Erth           100%       3d71*     1%          9
d - Fire Storm            Conj/Fire      100%       8d25      1%          9
e - Polar Vortex          Ice            100%       12d13*    1%          9
f - Apportation           Tloc           100%       N/A       0%          1
g - Maxwell's Capacitive  Air            100%       ∞         1%          8
h - Yara's Violent Unrav  Hex/Alch       92%        3d33      0%          5
i - Blink                 Tloc           100%       N/A       0%          2
j - Passage of Golubria   Tloc           100%       N/A       0%          4
r - Ignition              Fire           100%       3d25      1%          8
w - Borgnjor's Vile Clut  Necr/Erth      100%       N/A       0%          5
x - Lehudib's Crystal Sp  Conj/Erth      100%       10d22     1%          8

Your spell library contained the following spells:

 Spells                   Type           Power      Damage    Failure   Level
 Foxfire                  Conj/Fire      100%       2x1d9     0%          1
 Freeze                   Ice            100%       1d10      0%          1
 Kiss of Death            Conj/Necr      100%       2d13      0%          1
 Magic Dart               Conj           100%       1d8       0%          1
 Necrotise                Necr           100%       1d9       0%          1
 Sandblast                Erth           100%       2d20      0%          1
 Shock                    Conj/Air       100%       1d9       0%          1
 Slow                     Hex            100%       N/A       0%          1
 Sting                    Conj/Alch      100%       1d9       0%          1
 Summon Small Mammal      Summ           100%       N/A       0%          1
 Call Imp                 Summ           100%       N/A       0%          2
 Cigotuvi's Dreadful Rot  Necr/Alch/Air  100%       N/A       0%          2
 Ensorcelled Hibernation  Hex/Ice        100%       N/A       0%          2
 Jinxbite                 Hex            100%       N/A       0%          2
 Mercury Vapours          Alch/Air       100%       N/A       0%          2
 Momentum Strike          Conj/Tloc      100%       3d10      0%          2
 Scorch                   Fire           100%       2d9       0%          2
 Searing Ray              Conj           100%       2d8       0%          2
 Static Discharge         Conj/Air       100%       3-8/arc   0%          2
 Sublimation of Blood     Necr           100%       N/A       0%          2
 Call Canine Familiar     Summ           100%       N/A       0%          3
 Confusing Touch          Hex            100%       N/A       0%          3
 Dazzling Flash           Conj/Hex       100%       N/A       0%          3
 Frozen Ramparts          Ice            100%       1d16      0%          3
 Fugue of the Fallen      Necr           100%       N/A       0%          3
 Gell's Gravitas          Tloc           100%       N/A       0%          3
 Hailstorm                Conj/Ice       100%       3d16      0%          3
 Inner Flame              Hex/Fire       100%       N/A       0%          3
 Mephitic Cloud           Conj/Alch/Air  100%       N/A       0%          3
 Ozocubu's Armour         Ice            100%       N/A       0%          3
 Passwall                 Erth           100%       N/A       0%          3
 Sigil of Binding         Hex            100%       N/A       0%          3
 Stone Arrow              Conj/Erth      100%       3d13      0%          3
 Summon Ice Beast         Ice/Summ       100%       N/A       0%          3
 Swiftness                Air            100%       N/A       0%          3
 Teleport Other           Tloc           100%       N/A       0%          3
 Tukima's Dance           Hex            100%       N/A       0%          3
 Vampiric Draining        Necr           100%       2d13      0%          3
 Volatile Blastmotes      Fire/Tloc      100%       2d18      0%          3
 Airstrike                Air            100%       2d(15-31) 0%          4
 Anguish                  Hex/Necr       92%        N/A       0%          4
 Animate Armour           Summ/Erth      100%       N/A       0%          4
 Brom's Barrelling Bould  Conj/Erth      100%       2d11      0%          4
 Cause Fear               Hex            92%        N/A       0%          4
 Dimensional Bullseye     Hex/Tloc       92%        N/A       0%          4
 Dispel Undead            Necr           100%       3d31      0%          4
 Flame Wave               Conj/Fire      100%       2d21      0%          4
 Fulminant Prism          Conj/Alch      92%        3d36      0%          4
 Ignite Poison            Fire/Alch      100%       N/A       0%          4
 Iskenderun's Mystic Bla  Conj/Tloc      100%       2d19      0%          4
 Leda's Liquefaction      Alch/Erth      100%       N/A       0%          4
 Manifold Assault         Tloc           100%       N/A       0%          4
 Martyr's Knell           Necr/Summ      100%       N/A       0%          4
 Olgreb's Toxic Radiance  Alch           100%       N/A       0%          4
 Petrify                  Alch/Erth      100%       N/A       0%          4
 Sticky Flame             Fire/Alch      100%       2d15      0%          4
 Summon Blazeheart Golem  Fire/Summ      100%       N/A       0%          4
 Summon Lightning Spire   Summ/Air       100%       N/A       0%          4
 Vhi's Electric Charge    Tloc/Air       100%       N/A       0%          4
 Alistair's Intoxication  Alch           100%       N/A       0%          5
 Arcjolt                  Conj/Air       100%       1d110     0%          5
 Curse of Agony           Necr           100%       N/A       0%          5
 Fireball                 Conj/Fire      100%       3d36      0%          5
 Freezing Cloud           Conj/Ice/Air   100%       6-21      0%          5
 Irradiate                Conj/Alch      92%        3d42      0%          5
 Iskenderun's Battlesphe  Conj           100%       2d15      0%          5
 Lee's Rapid Deconstruct  Erth           100%       3d44*     0%          5
 Metabolic Englaciation   Hex/Ice        100%       N/A       0%          5
 Silence                  Hex/Air        100%       N/A       0%          5
 Summon Forest            Summ/Tloc      92%        N/A       0%          5
 Summon Mana Viper        Hex/Summ       100%       N/A       0%          5
 Bombard                  Conj/Erth      100%       9d16      0%          6
 Conjure Ball Lightning   Conj/Air       100%       3x3d38    0%          6
 Death Channel            Necr           92%        N/A       0%          6
 Dispersal                Tloc           92%        N/A       0%          6
 Eringya's Noxious Bog    Alch           92%        4d6       0%          6
 Plasma Beam              Fire/Air       100%       2x1d120   0%          6
 Sculpt Simulacrum        Ice/Alch       100%       N/A       0%          6
 Starburst                Conj/Fire      100%       6d25      0%          6
 Summon Cactus Giant      Summ           92%        N/A       0%          6
 Enfeeble                 Hex            92%        N/A       1%          7
 Haunt                    Necr/Summ      92%        N/A       1%          7
 Malign Gateway           Summ/Tloc      92%        N/A       1%          7
 Monstrous Menagerie      Summ           92%        N/A       1%          7
 Orb of Destruction       Conj           92%        9d20      1%          7
 Ozocubu's Refrigeration  Ice            100%       4d29      1%          7
 Spellforged Servitor     Conj/Summ      92%        N/A       1%          7
 Summon Hydra             Summ           92%        N/A       1%          7
 Borgnjor's Revivificati  Necr           92%        N/A       1%          8
 Discord                  Hex            92%        N/A       1%          8
 Disjunction              Tloc           92%        N/A       1%          8
 Infestation              Necr           92%        N/A       1%          8
 Summon Horrible Things   Summ           92%        N/A       1%          8
 Death's Door             Necr           92%        N/A       1%          9
 Dragon's Call            Summ           92%        N/A       1%          9
 Animate Dead             Necr           Unusable   N/A       N/A         4

Dungeon Overview and Level Annotations

Branches:
Dungeon (15/15)            Temple (1/1) D:4            Lair (5/5) D:8
  Swamp (4/4) Lair:3       Spider (4/4) Lair:3        Slime (5/5) Lair:5
    Orc (2/2) D:12            Elf (3/3) Orc:2        Vaults (5/5) D:14
  Crypt (3/3) Vaults:3       Tomb (3/3) Crypt:3      Depths (4/4) D:15
   Hell (visited)             Dis (7/7) Hell            Geh (7/7) Hell
    Coc (7/7) Hell            Tar (7/7) Hell            Zot (5/5) Depths:4
  Sewer (visited)          WizLab (visited)

Altars:
Ashenzari
Cheibriados
Dithmenos
Fedhas
Gozag
Hepliaklqana
Kikubaaqudgha
Makhleb
Nemelex Xobeh
Okawaru
Qazlal
Ru
Sif Muna
Trog
Uskayaw
Vehumet
Wu Jian
Xom
Yredelemnul

Shops:
D:10 *   D:14 ?   Orc:1 [   Orc:2 *[*(=   Elf:1 [[   Elf:2 [   Elf:3 *[
Vaults:1 *:[*   Vaults:2 =   Vaults:3 *   Vaults:4 [   Depths:1 =[*![=:[*=!*
Depths:3 [[*[   Depths:4 *

Portals:
Hell: Depths:1 Depths:2 Depths:3 Depths:4
Abyss: Depths:2 Depths:3
Pandemonium: Depths:1 Depths:2 Depths:3

Annotations:
D:13 exclusion: 4 oklob plants
Lair:2 exclusion: 3 oklob plants
Lair:3 exclusion: oklob plant
Zot:3 2 runed translucent doors
Abyss:1 Agat's ghost, legendary GnWr; Pagapt's ghost, legendary HOMo; Wuziru's ghost, legendary GrEE


Innate Abilities, Weirdness & Mutations

You are an undying horror.
Your melee and unarmed attacks drain, slow and weaken victims.
You are immune to unholy pain and torment.
You cannot drink.
You are immune to poison.
You can hurl damnation.
You are powered by pain.
You are resistant to unholy torment.
When hurt, damage is shared between your health and your magic reserves.
You regenerate magic rapidly.
When low on magic, you restore magic in place of health.
((When seriously injured, your blood forms very thick armour. (AC +0)))
You punish those that try to bend your will. (Will+)
You have a sharp stinger which inflicts weakening toxins.
You have a somewhat thin skeletal structure. (Dex +2, Stealth+)
Your mind is very acute. (Int +8, Str/Dex -2)
You are robust. (+10% HP)


Message History

You don't know that spell.
Casting: Shatter (mildly dangerous; 1% risk of failure)
Confirm with . or Enter, or press ? or * to list all spells.
You feel a huge surge of power!
The dungeon rumbles!
Ka-crash!
Casting: Shatter (mildly dangerous; 1% risk of failure)
Confirm with . or Enter, or press ? or * to list all spells.
You feel a huge surge of power!
The dungeon rumbles!
You kill the Executioner!
Ka-crash!
Casting: Shatter (mildly dangerous; 1% risk of failure)
Confirm with . or Enter, or press ? or * to list all spells.
You feel a huge surge of power!
The dungeon rumbles!
Ka-crash!
You hear a hideous shriek!
An Executioner comes into view.
The Executioner gestures.
The Executioner seems to speed up.
Casting: Shatter (mildly dangerous; 1% risk of failure)
Confirm with . or Enter, or press ? or * to list all spells.
You feel a huge surge of power!
The dungeon rumbles!
You kill the Executioner!
Ka-crash!
Casting: Shatter (mildly dangerous; 1% risk of failure)
Confirm with . or Enter, or press ? or * to list all spells.
You feel a huge surge of power!
The dungeon rumbles!
A door shatters!
Ka-crash!
Casting: Shatter (mildly dangerous; 1% risk of failure)
Confirm with . or Enter, or press ? or * to list all spells.
You feel a huge surge of power!
The dungeon rumbles!
Ka-crash!
Casting: Shatter (mildly dangerous; 1% risk of failure)
Confirm with . or Enter, or press ? or * to list all spells.
You feel a huge surge of power!
The dungeon rumbles!
Ka-crash!
There is a staircase leading out of the dungeon here.
You have escaped!

.###....########.##.###.....$....
## #...## ###...............(....
#..## ##............#........#
#..# ##....#..##.............#
#..# #...####.........$.......
####.####..##....................
.....# #.[.#..#####......#.......
.###.# #..##.##...##.#.........#.
.# #.# #..##.##.z.##...........#.
.# #.# #..##.##...#..............
.# #.# #...#..##'#...........#...
.# #.####..##.......#.....##....#
.# #..# #...###..#.............#.
.# #..# ##.....G#...G...#......#.
.###..## ##......G........#....#.
..(....## ###....G.....#.....# #.
.##.....#####.##.#####.##....# #.


You could see 4 golden eyes.

Vanquished Creatures
  Cerebov (Pan)
  Antaeus (Coc:7)
  Asmodeus (Geh:7)
  the Royal Jelly (Slime:5)
  Dissolution (Slime:2)
  Gloorx Vloq (Pan)
  Ereshkigal (Tar:7)
  135 seraphim
  3254 pandemonium lords
  Tiamat (Zot:2)
  Mnoleg (Pan)
  the Serpent of Hell (Tar:7)
  1715 dread liches
  Frederick (Vaults:4)
  The ghost of Agat the Slayer, a legendary GnWr of Cheibriados (Zig:24)
  The ghost of Agat the Slayer, a legendary GnWr of Cheibriados (Zig:24)
  The ghost of Agat the Slayer, a legendary GnWr of Cheibriados (Zig:24)
  The ghost of Agat the Slayer, a legendary GnWr of Cheibriados (Zig:10)
  The ghost of Agat the Slayer, a legendary GnWr of Cheibriados (Zig:24)
  The ghost of Agat the Slayer, a legendary GnWr of Cheibriados (Zig:24)
  The ghost of Agat the Slayer, a legendary GnWr of Cheibriados (Zig:24)
  The ghost of Agat the Slayer, a legendary GnWr of Cheibriados (Zig:14)
  The ghost of Agat the Slayer, a legendary GnWr of Cheibriados (Zig:14)
  The ghost of Agat the Slayer, a legendary GnWr of Cheibriados (Zig:24)
  The ghost of Agat the Slayer, a legendary GnWr of Cheibriados (Zig:14)
  The ghost of Agat the Slayer, a legendary GnWr of Cheibriados (Zig:14)
  The ghost of Agat the Slayer, a legendary GnWr of Cheibriados (Zig:14)
  The ghost of Agat the Slayer, a legendary GnWr of Cheibriados (Zig:24)
  The ghost of Agat the Slayer, a legendary GnWr of Cheibriados (Zig:24)
  The ghost of Agat the Slayer, a legendary GnWr of Cheibriados (Zig:14)
  The ghost of Agat the Slayer, a legendary GnWr of Cheibriados (Zig:14)
  The ghost of Agat the Slayer, a legendary GnWr of Cheibriados (Zig:24)
  The ghost of Agat the Slayer, a legendary GnWr of Cheibriados (Zig:24)
  The ghost of Agat the Slayer, a legendary GnWr of Cheibriados (Zig:24)
  The ghost of Agat the Slayer, a legendary GnWr of Cheibriados (Zig:24)
  The ghost of Agat the Slayer, a legendary GnWr of Cheibriados (Zig:24)
  The ghost of Agat the Slayer, a legendary GnWr of Cheibriados (Zig:14)
  The ghost of Agat the Slayer, a legendary GnWr of Cheibriados (Zig:10)
  The ghost of Agat the Slayer, a legendary GnWr of Cheibriados (Zig:10)
  The ghost of Agat the Slayer, a legendary GnWr of Cheibriados (Zig:10)
  The ghost of Agat the Slayer, a legendary GnWr of Cheibriados (Zig:10)
  The ghost of Agat the Slayer, a legendary GnWr of Cheibriados (Zig:10)
  The ghost of Agat the Slayer, a legendary GnWr of Cheibriados (Zig:14)
  The ghost of Agat the Slayer, a legendary GnWr of Cheibriados (Zig:14)
  The ghost of Agat the Slayer, a legendary GnWr of Cheibriados (Zig:10)
  The ghost of Agat the Slayer, a legendary GnWr of Cheibriados (Zig:14)
  The ghost of Agat the Slayer, a legendary GnWr of Cheibriados (Zig:10)
  The ghost of Agat the Slayer, a legendary GnWr of Cheibriados (Zig:14)
  The ghost of Agat the Slayer, a legendary GnWr of Cheibriados (Zig:14)
  The ghost of Agat the Slayer, a legendary GnWr of Cheibriados (Zig:14)
  The ghost of Agat the Slayer, a legendary GnWr of Cheibriados (Zig:14)
  The ghost of Wuziru the Skinwalker, a legendary GrEE of Gozag (Zig:24)
  The ghost of Wuziru the Skinwalker, a legendary GrEE of Gozag (Zig:10)
  The ghost of Wuziru the Skinwalker, a legendary GrEE of Gozag (Zig:24)
  The ghost of Wuziru the Skinwalker, a legendary GrEE of Gozag (Zig:10)
  The ghost of Wuziru the Skinwalker, a legendary GrEE of Gozag (Zig:24)
  The ghost of Wuziru the Skinwalker, a legendary GrEE of Gozag (Zig:10)
  The ghost of Wuziru the Skinwalker, a legendary GrEE of Gozag (Zig:10)
  The ghost of Wuziru the Skinwalker, a legendary GrEE of Gozag (Zig:10)
  The ghost of Wuziru the Skinwalker, a legendary GrEE of Gozag (Zig:10)
  The ghost of Wuziru the Skinwalker, a legendary GrEE of Gozag (Zig:10)
  The ghost of Wuziru the Skinwalker, a legendary GrEE of Gozag (Zig:24)
  The ghost of Wuziru the Skinwalker, a legendary GrEE of Gozag (Zig:24)
  The ghost of Wuziru the Skinwalker, a legendary GrEE of Gozag (Zig:24)
  The ghost of Wuziru the Skinwalker, a legendary GrEE of Gozag (Zig:24)
  The ghost of Wuziru the Skinwalker, a legendary GrEE of Gozag (Zig:24)
  The ghost of Wuziru the Skinwalker, a legendary GrEE of Gozag (Zig:24)
  The ghost of Wuziru the Skinwalker, a legendary GrEE of Gozag (Zig:24)
  The ghost of Wuziru the Skinwalker, a legendary GrEE of Gozag (Zig:10)
  The ghost of Wuziru the Skinwalker, a legendary GrEE of Gozag (Zig:10)
  The ghost of Wuziru the Skinwalker, a legendary GrEE of Gozag (Zig:24)
  The ghost of Wuziru the Skinwalker, a legendary GrEE of Gozag (Zig:24)
  The ghost of Wuziru the Skinwalker, a legendary GrEE of Gozag (Zig:24)
  The ghost of Wuziru the Skinwalker, a legendary GrEE of Gozag (Zig:12)
  The ghost of Wuziru the Skinwalker, a legendary GrEE of Gozag (Zig:14)
  The ghost of Wuziru the Skinwalker, a legendary GrEE of Gozag (Zig:14)
  The ghost of Wuziru the Skinwalker, a legendary GrEE of Gozag (Zig:10)
  The ghost of Wuziru the Skinwalker, a legendary GrEE of Gozag (Zig:14)
  The ghost of Wuziru the Skinwalker, a legendary GrEE of Gozag (Zig:14)
  The ghost of Wuziru the Skinwalker, a legendary GrEE of Gozag (Zig:14)
  The ghost of Wuziru the Skinwalker, a legendary GrEE of Gozag (Zig:14)
  The ghost of Wuziru the Skinwalker, a legendary GrEE of Gozag (Zig:14)
  The ghost of Wuziru the Skinwalker, a legendary GrEE of Gozag (Zig:14)
  The ghost of Wuziru the Skinwalker, a legendary GrEE of Gozag (Zig:14)
  The ghost of Wuziru the Skinwalker, a legendary GrEE of Gozag (Zig:14)
  The ghost of Wuziru the Skinwalker, a legendary GrEE of Gozag (Zig:14)
  The ghost of Wuziru the Skinwalker, a legendary GrEE of Gozag (Zig:14)
  The ghost of Wuziru the Skinwalker, a legendary GrEE of Gozag (Zig:14)
  The ghost of Wuziru the Skinwalker, a legendary GrEE of Gozag (Zig:14)
  The ghost of Wuziru the Skinwalker, a legendary GrEE of Gozag (Zig:14)
  The ghost of Wuziru the Skinwalker, a legendary GrEE of Gozag (Zig:14)
  The ghost of Wuziru the Skinwalker, a legendary GrEE of Gozag (Zig:14)
  The ghost of Wuziru the Skinwalker, a legendary GrEE of Gozag (Zig:10)
  The ghost of Wuziru the Skinwalker, a legendary GrEE of Gozag (Zig:14)
  The ghost of Wuziru the Skinwalker, a legendary GrEE of Gozag (Zig:10)
  The ghost of Wuziru the Skinwalker, a legendary GrEE of Gozag (Zig:14)
  The ghost of Wuziru the Skinwalker, a legendary GrEE of Gozag (Zig:14)
  Dispater (Dis:7)
  The ghost of Pagapt the Axe Maniac, a legendary HOMo of the Shining One (Zig:10)
  The ghost of Pagapt the Axe Maniac, a legendary HOMo of the Shining One (Zig:14)
  The ghost of Pagapt the Axe Maniac, a legendary HOMo of the Shining One (Zig:14)
  The ghost of Pagapt the Axe Maniac, a legendary HOMo of the Shining One (Zig:14)
  The ghost of Pagapt the Axe Maniac, a legendary HOMo of the Shining One (Zig:10)
  The ghost of Pagapt the Axe Maniac, a legendary HOMo of the Shining One (Zig:10)
  The ghost of Pagapt the Axe Maniac, a legendary HOMo of the Shining One (Zig:10)
  The ghost of Pagapt the Axe Maniac, a legendary HOMo of the Shining One (Zig:14)
  The ghost of Pagapt the Axe Maniac, a legendary HOMo of the Shining One (Zig:10)
  The ghost of Pagapt the Axe Maniac, a legendary HOMo of the Shining One (Zig:14)
  The ghost of Pagapt the Axe Maniac, a legendary HOMo of the Shining One (Zig:10)
  The ghost of Pagapt the Axe Maniac, a legendary HOMo of the Shining One (Zig:10)
  The ghost of Pagapt the Axe Maniac, a legendary HOMo of the Shining One (Zig:14)
  The ghost of Pagapt the Axe Maniac, a legendary HOMo of the Shining One (Zig:10)
  The ghost of Pagapt the Axe Maniac, a legendary HOMo of the Shining One (Zig:10)
  The ghost of Pagapt the Axe Maniac, a legendary HOMo of the Shining One (Zig:10)
  The ghost of Pagapt the Axe Maniac, a legendary HOMo of the Shining One (Zig:14)
  The ghost of Pagapt the Axe Maniac, a legendary HOMo of the Shining One (Zig:10)
  The ghost of Pagapt the Axe Maniac, a legendary HOMo of the Shining One (Zig:10)
  The ghost of Pagapt the Axe Maniac, a legendary HOMo of the Shining One (Zig:14)
  The ghost of Pagapt the Axe Maniac, a legendary HOMo of the Shining One (Zig:10)
  The ghost of Pagapt the Axe Maniac, a legendary HOMo of the Shining One (Zig:10)
  The ghost of Pagapt the Axe Maniac, a legendary HOMo of the Shining One (Zig:10)
  The ghost of Pagapt the Axe Maniac, a legendary HOMo of the Shining One (Zig:10)
  The ghost of Pagapt the Axe Maniac, a legendary HOMo of the Shining One (Zig:14)
  The ghost of Pagapt the Axe Maniac, a legendary HOMo of the Shining One (Zig:14)
  The ghost of Pagapt the Axe Maniac, a legendary HOMo of the Shining One (Zig:14)
  The ghost of Pagapt the Axe Maniac, a legendary HOMo of the Shining One (Zig:14)
  The ghost of Pagapt the Axe Maniac, a legendary HOMo of the Shining One (Zig:14)
  The ghost of Pagapt the Axe Maniac, a legendary HOMo of the Shining One (Zig:14)
  The ghost of Pagapt the Axe Maniac, a legendary HOMo of the Shining One (Zig:14)
  The ghost of Pagapt the Axe Maniac, a legendary HOMo of the Shining One (Zig:14)
  The ghost of Pagapt the Axe Maniac, a legendary HOMo of the Shining One (Zig:24)
  The ghost of Pagapt the Axe Maniac, a legendary HOMo of the Shining One (Zig:24)
  The ghost of Pagapt the Axe Maniac, a legendary HOMo of the Shining One (Zig:24)
  The ghost of Pagapt the Axe Maniac, a legendary HOMo of the Shining One (Zig:24)
  The ghost of Pagapt the Axe Maniac, a legendary HOMo of the Shining One (Zig:14)
  The ghost of Pagapt the Axe Maniac, a legendary HOMo of the Shining One (Zig:24)
  The ghost of Pagapt the Axe Maniac, a legendary HOMo of the Shining One (Zig:24)
  The ghost of Pagapt the Axe Maniac, a legendary HOMo of the Shining One (Zig:24)
  The ghost of Pagapt the Axe Maniac, a legendary HOMo of the Shining One (Zig:14)
  The ghost of Pagapt the Axe Maniac, a legendary HOMo of the Shining One (Zig:14)
  The ghost of Pagapt the Axe Maniac, a legendary HOMo of the Shining One (Zig:10)
  The ghost of Pagapt the Axe Maniac, a legendary HOMo of the Shining One (Zig:14)
  The ghost of Pagapt the Axe Maniac, a legendary HOMo of the Shining One (Zig:24)
  The ghost of Pagapt the Axe Maniac, a legendary HOMo of the Shining One (Zig:24)
  The ghost of Pagapt the Axe Maniac, a legendary HOMo of the Shining One (Zig:24)
  The ghost of Pagapt the Axe Maniac, a legendary HOMo of the Shining One (Zig:24)
  The ghost of Pagapt the Axe Maniac, a legendary HOMo of the Shining One (Zig:24)
  The ghost of Pagapt the Axe Maniac, a legendary HOMo of the Shining One (Zig:14)
  The ghost of Pagapt the Axe Maniac, a legendary HOMo of the Shining One (Zig:24)
  The ghost of Pagapt the Axe Maniac, a legendary HOMo of the Shining One (Zig:24)
  The ghost of Pagapt the Axe Maniac, a legendary HOMo of the Shining One (Zig:24)
  1697 ancient liches
  Mara (Vaults:5)
  420 orbs of fire
  Mennas (Pan)
  The ghost of Pyluojor the Slayer, a legendary MfBe of Lugonu (Zig:10)
  The ghost of Pyluojor the Slayer, a legendary MfBe of Lugonu (Zig:10)
  The ghost of Pyluojor the Slayer, a legendary MfBe of Lugonu (Zig:10)
  The ghost of Pyluojor the Slayer, a legendary MfBe of Lugonu (Zig:10)
  The ghost of Pyluojor the Slayer, a legendary MfBe of Lugonu (Zig:10)
  The ghost of Pyluojor the Slayer, a legendary MfBe of Lugonu (Zig:10)
  The ghost of Pyluojor the Slayer, a legendary MfBe of Lugonu (Zig:10)
  The ghost of Pyluojor the Slayer, a legendary MfBe of Lugonu (Zig:10)
  The ghost of Pyluojor the Slayer, a legendary MfBe of Lugonu (Zig:10)
  The ghost of Pyluojor the Slayer, a legendary MfBe of Lugonu (Zig:10)
  A juggernaut (shapeshifter) (Zig:25)
  The ghost of Hatunaig the Draconian Mishap, a master DrSh of Qazlal (Zig:10)
  The ghost of Hatunaig the Draconian Mishap, a master DrSh of Qazlal (Zig:10)
  The ghost of Hatunaig the Draconian Mishap, a master DrSh of Qazlal (Zig:10)
  The ghost of Hatunaig the Draconian Mishap, a master DrSh of Qazlal (Zig:10)
  The ghost of Hatunaig the Draconian Mishap, a master DrSh of Qazlal (Zig:10)
  The ghost of Hatunaig the Draconian Mishap, a master DrSh of Qazlal (Zig:10)
  The ghost of Hatunaig the Draconian Mishap, a master DrSh of Qazlal (Zig:10)
  The ghost of Hatunaig the Draconian Mishap, a master DrSh of Qazlal (Zig:10)
  The ghost of Hatunaig the Draconian Mishap, a master DrSh of Qazlal (Zig:10)
  The ghost of Hatunaig the Draconian Mishap, a master DrSh of Qazlal (Zig:10)
  The ghost of Hatunaig the Draconian Mishap, a master DrSh of Qazlal (Zig:10)
  The ghost of Hatunaig the Draconian Mishap, a master DrSh of Qazlal (Zig:10)
  The ghost of Hatunaig the Draconian Mishap, a master DrSh of Qazlal (Zig:10)
  808 juggernauts
  1214 royal mummies
  The ghost of Osipn the Impregnable, a veteran MiGl of Hepliaklqana (Crypt:1)
  Bai Suzhen (Vaults:5)
  737 shard shrikes
  832 Killer Klowns
  47 curse toes
  Margery (Vaults:4)
  The ghost of rrossfarrar the Hoplite, a veteran BaFi of Cheibriados (Crypt:3)
  5 caustic shrikes (shapeshifter)
  3 golden dragons (shapeshifter)
  Geryon (Hell)
  983 caustic shrikes
  2227 golden dragons
  109 profane servitors
  The ghost of Fainec the Devastator, a veteran GrEE of Lugonu (Crypt:1)
  790 bone dragons
  Norris (Depths:1)
  536 pearl dragons
  298 doom hounds
  Arachne (Spider:3)
  411 electric golems
  The ghost of Anihuhunn the Metallomancer, an adept GrEE of Vehumet (Zig:14)
  The ghost of Anihuhunn the Metallomancer, an adept GrEE of Vehumet (Zig:10)
  The ghost of Anihuhunn the Metallomancer, an adept GrEE of Vehumet (Zig:24)
  The ghost of Anihuhunn the Metallomancer, an adept GrEE of Vehumet (Zig:14)
  The ghost of Anihuhunn the Metallomancer, an adept GrEE of Vehumet (Zig:14)
  The ghost of Anihuhunn the Metallomancer, an adept GrEE of Vehumet (Zig:14)
  The ghost of Anihuhunn the Metallomancer, an adept GrEE of Vehumet (Zig:14)
  The ghost of Anihuhunn the Metallomancer, an adept GrEE of Vehumet (Zig:14)
  The ghost of Anihuhunn the Metallomancer, an adept GrEE of Vehumet (Zig:10)
  The ghost of Anihuhunn the Metallomancer, an adept GrEE of Vehumet (Zig:24)
  The ghost of Anihuhunn the Metallomancer, an adept GrEE of Vehumet (Zig:14)
  The ghost of Anihuhunn the Metallomancer, an adept GrEE of Vehumet (Zig:10)
  The ghost of Anihuhunn the Metallomancer, an adept GrEE of Vehumet (Zig:14)
  The ghost of Anihuhunn the Metallomancer, an adept GrEE of Vehumet (Zig:10)
  The ghost of Anihuhunn the Metallomancer, an adept GrEE of Vehumet (Zig:10)
  The ghost of Anihuhunn the Metallomancer, an adept GrEE of Vehumet (Zig:14)
  The ghost of Anihuhunn the Metallomancer, an adept GrEE of Vehumet (Zig:14)
  The ghost of Anihuhunn the Metallomancer, an adept GrEE of Vehumet (Zig:10)
  The ghost of Anihuhunn the Metallomancer, an adept GrEE of Vehumet (Zig:14)
  The ghost of Anihuhunn the Metallomancer, an adept GrEE of Vehumet (Zig:14)
  The ghost of Anihuhunn the Metallomancer, an adept GrEE of Vehumet (Zig:10)
  The ghost of Anihuhunn the Metallomancer, an adept GrEE of Vehumet (Zig:14)
  The ghost of Anihuhunn the Metallomancer, an adept GrEE of Vehumet (Zig:14)
  The ghost of Anihuhunn the Metallomancer, an adept GrEE of Vehumet (Zig:10)
  The ghost of Anihuhunn the Metallomancer, an adept GrEE of Vehumet (Zig:14)
  The ghost of Anihuhunn the Metallomancer, an adept GrEE of Vehumet (Zig:14)
  The ghost of Anihuhunn the Metallomancer, an adept GrEE of Vehumet (Zig:24)
  The ghost of Anihuhunn the Metallomancer, an adept GrEE of Vehumet (Zig:24)
  The ghost of Anihuhunn the Metallomancer, an adept GrEE of Vehumet (Zig:24)
  The ghost of Anihuhunn the Metallomancer, an adept GrEE of Vehumet (Zig:24)
  The ghost of Anihuhunn the Metallomancer, an adept GrEE of Vehumet (Zig:24)
  The ghost of Anihuhunn the Metallomancer, an adept GrEE of Vehumet (Zig:24)
  The ghost of Anihuhunn the Metallomancer, an adept GrEE of Vehumet (Zig:10)
  The ghost of Anihuhunn the Metallomancer, an adept GrEE of Vehumet (Zig:24)
  The ghost of Anihuhunn the Metallomancer, an adept GrEE of Vehumet (Zig:24)
  The ghost of Anihuhunn the Metallomancer, an adept GrEE of Vehumet (Zig:24)
  The ghost of Anihuhunn the Metallomancer, an adept GrEE of Vehumet (Zig:10)
  The ghost of Anihuhunn the Metallomancer, an adept GrEE of Vehumet (Zig:10)
  The ghost of Anihuhunn the Metallomancer, an adept GrEE of Vehumet (Zig:24)
  The ghost of Anihuhunn the Metallomancer, an adept GrEE of Vehumet (Zig:24)
  The ghost of Anihuhunn the Metallomancer, an adept GrEE of Vehumet (Zig:24)
  The ghost of Anihuhunn the Metallomancer, an adept GrEE of Vehumet (Zig:10)
  The ghost of Anihuhunn the Metallomancer, an adept GrEE of Vehumet (Zig:24)
  The ghost of Anihuhunn the Metallomancer, an adept GrEE of Vehumet (Zig:10)
  The ghost of Anihuhunn the Metallomancer, an adept GrEE of Vehumet (Zig:24)
  The ghost of Anihuhunn the Metallomancer, an adept GrEE of Vehumet (Zig:14)
  The ghost of Anihuhunn the Metallomancer, an adept GrEE of Vehumet (Zig:10)
  The ghost of Anihuhunn the Metallomancer, an adept GrEE of Vehumet (Zig:10)
  The ghost of Anihuhunn the Metallomancer, an adept GrEE of Vehumet (Zig:24)
  The ghost of Anihuhunn the Metallomancer, an adept GrEE of Vehumet (Zig:14)
  A spectral shard shrike (Tar:1)
  1124 hellephants
  409 Tzitzimimeh
  2 shard shrike zombies
  2 iron giants (shapeshifter)
  862 iron giants
  720 Brimstone Fiends
  The ghost of Suikiutuiv the Metallomancer, an adept GrEE of Sif Muna (Zig:14)
  The ghost of Suikiutuiv the Metallomancer, an adept GrEE of Sif Muna (Zig:24)
  The ghost of Suikiutuiv the Metallomancer, an adept GrEE of Sif Muna (Zig:14)
  The ghost of Suikiutuiv the Metallomancer, an adept GrEE of Sif Muna (Zig:24)
  The ghost of Suikiutuiv the Metallomancer, an adept GrEE of Sif Muna (Zig:24)
  The ghost of Suikiutuiv the Metallomancer, an adept GrEE of Sif Muna (Zig:14)
  The ghost of Suikiutuiv the Metallomancer, an adept GrEE of Sif Muna (Zig:14)
  The ghost of Suikiutuiv the Metallomancer, an adept GrEE of Sif Muna (Zig:10)
  The ghost of Suikiutuiv the Metallomancer, an adept GrEE of Sif Muna (Zig:10)
  The ghost of Suikiutuiv the Metallomancer, an adept GrEE of Sif Muna (Zig:10)
  The ghost of Suikiutuiv the Metallomancer, an adept GrEE of Sif Muna (Zig:10)
  The ghost of Suikiutuiv the Metallomancer, an adept GrEE of Sif Muna (Zig:24)
  The ghost of Suikiutuiv the Metallomancer, an adept GrEE of Sif Muna (Zig:24)
  The ghost of Suikiutuiv the Metallomancer, an adept GrEE of Sif Muna (Zig:14)
  The ghost of Suikiutuiv the Metallomancer, an adept GrEE of Sif Muna (Zig:10)
  The ghost of Suikiutuiv the Metallomancer, an adept GrEE of Sif Muna (Zig:14)
  The ghost of Suikiutuiv the Metallomancer, an adept GrEE of Sif Muna (Zig:14)
  The ghost of Suikiutuiv the Metallomancer, an adept GrEE of Sif Muna (Zig:14)
  The ghost of Suikiutuiv the Metallomancer, an adept GrEE of Sif Muna (Zig:10)
  The ghost of Suikiutuiv the Metallomancer, an adept GrEE of Sif Muna (Zig:14)
  The ghost of Suikiutuiv the Metallomancer, an adept GrEE of Sif Muna (Zig:10)
  The ghost of Suikiutuiv the Metallomancer, an adept GrEE of Sif Muna (Zig:14)
  The ghost of Suikiutuiv the Metallomancer, an adept GrEE of Sif Muna (Zig:10)
  The ghost of Suikiutuiv the Metallomancer, an adept GrEE of Sif Muna (Zig:14)
  The ghost of Suikiutuiv the Metallomancer, an adept GrEE of Sif Muna (Zig:14)
  The ghost of Suikiutuiv the Metallomancer, an adept GrEE of Sif Muna (Zig:14)
  The ghost of Suikiutuiv the Metallomancer, an adept GrEE of Sif Muna (Zig:24)
  The ghost of Suikiutuiv the Metallomancer, an adept GrEE of Sif Muna (Zig:24)
  The ghost of Suikiutuiv the Metallomancer, an adept GrEE of Sif Muna (Zig:10)
  The ghost of Suikiutuiv the Metallomancer, an adept GrEE of Sif Muna (Zig:24)
  The ghost of Suikiutuiv the Metallomancer, an adept GrEE of Sif Muna (Zig:14)
  The ghost of Suikiutuiv the Metallomancer, an adept GrEE of Sif Muna (Zig:24)
  The ghost of Suikiutuiv the Metallomancer, an adept GrEE of Sif Muna (Zig:24)
  The ghost of Suikiutuiv the Metallomancer, an adept GrEE of Sif Muna (Zig:14)
  The ghost of Suikiutuiv the Metallomancer, an adept GrEE of Sif Muna (Zig:10)
  The ghost of Suikiutuiv the Metallomancer, an adept GrEE of Sif Muna (Zig:24)
  The ghost of Suikiutuiv the Metallomancer, an adept GrEE of Sif Muna (Zig:24)
  The ghost of Suikiutuiv the Metallomancer, an adept GrEE of Sif Muna (Zig:10)
  The ghost of Suikiutuiv the Metallomancer, an adept GrEE of Sif Muna (Zig:10)
  The ghost of Suikiutuiv the Metallomancer, an adept GrEE of Sif Muna (Zig:24)
  The ghost of Suikiutuiv the Metallomancer, an adept GrEE of Sif Muna (Zig:14)
  The ghost of Suikiutuiv the Metallomancer, an adept GrEE of Sif Muna (Zig:10)
  The ghost of Suikiutuiv the Metallomancer, an adept GrEE of Sif Muna (Zig:24)
  The ghost of Suikiutuiv the Metallomancer, an adept GrEE of Sif Muna (Zig:14)
  The ghost of Suikiutuiv the Metallomancer, an adept GrEE of Sif Muna (Zig:14)
  The ghost of Suikiutuiv the Metallomancer, an adept GrEE of Sif Muna (Zig:24)
  The ghost of Suikiutuiv the Metallomancer, an adept GrEE of Sif Muna (Zig:14)
  The ghost of Suikiutuiv the Metallomancer, an adept GrEE of Sif Muna (Zig:14)
  22 Orb Guardians
  1600 Hell Sentinels
  Mlioglotl (Spider:1)
  266 tainted leviathans
  6 walking crystal tomes
  786 liches
  The ghost of Zeph the Severer, an adept NaFi of Cheibriados (Depths:2)
  1238 Ice Fiends
  216 walking frostbound tomes
  54 quicksilver dragons (shapeshifter)
  2440 tentacled monstrosities
  1105 deep elf blademasters
  A titan (shapeshifter) (Zig:13)
  4 walking divine tomes
  687 searing wretches
  3 walking earthen tomes
  1345 deep elf master archers
  4 krakens
  2263 titans
  384 sphinxes
  43 sphinxes (shapeshifter)
  2912 acid blobs
  4 acid blobs (shapeshifter)
  10 death cobs
  433 Executioners
  529 quicksilver dragons
  601 ancient champions
  Frances (Spider:2)
  443 tentacled starspawn
  20 eldritch tentacles
  45 thorn hunters
  17 shadow dragons (shapeshifter)
  183 shadow dragons
  Kirke (Swamp:2)
  221 tengu reavers
  Roxanne (Swamp:1)
  515 storm dragons
  635 daevas
  1057 revenants
  Donald (Orc:2)
  10 storm dragons (shapeshifter)
  51 fenstrider witches (shapeshifter)
  556 azure jellies
  764 protean progenitors
  842 fenstrider witches
  596 iron dragons
  48 fire giants (shapeshifter)
  The ghost of krest9999 the Brawler, a journeyman DrSh of Ru (Spider:4)
  18 azure jellies (shapeshifter)
  1109 draconian shifters
  634 rockslimes
  467 narguns
  Louise (Swamp:2)
  351 demonspawn warmongers
  178 deep elf sorcerers
  1349 draconian knights
  6 iron dragons (shapeshifter)
  1905 nagarajas
  343 vault wardens
  330 fire giants
  42 frost giants (shapeshifter)
  539 quicksilver elementals
  1150 balrugs
  1093 draconian monks
  1162 emperor scorpions
  56 juggernaut zombies
  1434 draconian scorchers
  11 spectral juggernauts
  437 frost giants
  111 ghouls
  8 ghost moths (shapeshifter)
  14 shard shrike simulacra
  742 curse skulls
  205 ironbound preservers
  54 caustic shrike zombies
  2035 ghost moths
  8 emperor scorpions (shapeshifter)
  525 reapers
  48 deep elf elementalists
  440 demonspawn blood saints
  285 angels
  12 spectral caustic shrikes
  148 broodmothers
  358 cacodemons
  1204 draconian annihilators
  99 formless jellyfish
  2 quicksilver oozes (shapeshifter)
  5 broodmothers (shapeshifter)
  445 quicksilver oozes
  1035 draconian stormcallers
  1324 orc warlords
  992 stone giants
  15 formless jellyfish (shapeshifter)
  1176 demonspawn corrupters
  3 very ugly things (shapeshifter)
  2 ironbound thunderhulks
  76 juggernaut skeletons
  248 ophanim
  53 stone giants (shapeshifter)
  415 demonspawn black suns
  193 eleionomae
  250 apis
  A red draconian (shapeshifter) (Zig:9)
  355 vampire knights
  520 deep elf demonologists
  46 eleionomae (shapeshifter)
  80 caustic shrike skeletons
  450 very ugly things
  266 putrid mouths
  424 green draconians
  285 deep elf death magi
  3 green draconians (shapeshifter)
  290 lorocyprocas
  33 elemental wellsprings
  226 bunyips
  23 dire elephants (shapeshifter)
  412 bennus
  394 black draconians
  523 wendigos
  3 purple draconians (shapeshifter)
  395 purple draconians
  430 red draconians
  3 white draconians (shapeshifter)
  4 halazid warlocks (Tar:2)
  10 spectral titans
  365 war gargoyles
  401 yellow draconians
  The ghost of Huasawuy the Grappler, a journeyman TrHW of Okawaru (Lair:3)
  599 deep elf annihilators
  6 minotaurs (shapeshifter)
  7 bunyips (shapeshifter)
  445 spark wasps
  2 yellow draconians (shapeshifter)
  A minotaur (Zig:20)
  17 shapeshifters
  232 dire elephants
  291 ettins
  383 white draconians
  Azrael (Spider:1)
  4 spark wasps (shapeshifter)
  4 fire dragons (shapeshifter)
  236 crystal guardians
  3 spectral krakens
  Snorg (D:11)
  1551 green deaths
  479 blizzard demons
  2385 shambling mangroves
  21 spectral spriggans
  18 quicksilver dragon zombies
  715 iron golems
  981 mummy priests
  6 ettins (shapeshifter)
  12 entropy weavers (shapeshifter)
  10 spectral golden dragons
  A spectral iron giant (Tar:1)
  440 eidola
  74 jiangshi
  94 fire dragons
  227 merfolk impalers
  1382 entropy weavers
  533 merfolk javelineers
  466 yaktaur captains
  32 quicksilver dragon skeletons
  1210 deep elf high priests
  2 spectral quicksilver dragons
  57 spriggan zombies
  2 great orbs of eyes (shapeshifter)
  72 vault guards
  320 hydras
  1936 salamander tyrants
  170 great orbs of eyes
  5 spectral sphinxes
  8 spectral shadow dragons
  98 ice dragons
  13 rakshasas
  4 servants of whispers
  3 ice dragons (shapeshifter)
  Josephine (Orc:2)
  63 caustic shrike simulacra
  A bennu zombie (Crypt:1)
  2 jorogumos (shapeshifter)
  2 peacekeepers (Vaults:3)
  33 sphinx zombies
  124 jorogumos
  99 ogre magi
  38 alligator snapping turtles
  320 hell beasts
  378 catoblepae
  480 spriggan air magi
  143 ghost crabs
  10 spectral tengu
  5 hydras (shapeshifter)
  56 merfolk avatars
  187 radroaches
  210 alligators
  57 centaur warriors
  A fenstrider witch skeleton (Crypt:1)
  73 juggernaut simulacra
  274 anacondas
  72 spriggan skeletons
  168 boulder beetles
  341 naga warriors
  52 two-headed ogres (shapeshifter)
  Erica (D:8)
  16 anacondas (shapeshifter)
  9 catoblepae (shapeshifter)
  87 two-headed ogres
  A spectral fire giant (Zig:9)
  4 alligators (shapeshifter)
  77 stokers
  1269 dancing weapons
  1967 merfolk aquamancers
  2 death knights (Crypt:1)
  43 alligator snapping turtles (shapeshifter)
  3 spectral frost giants
  5 satyrs (shapeshifter)
  33 ironbound frosthearts
  3 radroaches (shapeshifter)
  42 sphinx skeletons
  428 death scarabs
  409 vampire magi
  225 satyrs
  315 demonic crawlers
  16 deep troll shamans
  16 death yaks (shapeshifter)
  7 boulder beetles (shapeshifter)
  1413 orc high priests
  25 death yaks
  227 hell hogs
  16 occultists
  51 deep troll earth magi
  4 tengu warriors
  446 thrashing horrors
  49 titan zombies
  4 spectral storm dragons
  Urug (Lair:3)
  700 shock serpents
  339 sun demons
  653 naga sharpshooters
  3 spectral dire elephants
  15 spriggan berserkers
  An emperor scorpion zombie (Crypt:1)
  76 fire crabs
  60 shock serpents (shapeshifter)
  80 titan skeletons
  5 spectral nagas
  793 deep elf knights
  143 hell knights
  393 soul eaters
  Nergalle (D:11)
  368 crystal echidnas
  230 shadow wraiths
  A spectral spark wasp (Zig:9)
  239 iron trolls
  234 skysharks
  36 storm dragon zombies
  1147 wretched stars
  28 skysharks (shapeshifter)
  15 fire crabs (shapeshifter)
  5 hellephant skeletons (Pan)
  61 golden dragon zombies
  55 iron trolls (shapeshifter)
  151 goliath frogs
  42 sea snakes (shapeshifter)
  8 spark wasp zombies
  84 deep trolls
  35 skeletal warriors
  195 sixfirhies
  202 sea snakes
  255 cherubim
  Lodul (D:11)
  43 deep trolls (shapeshifter)
  60 storm dragon skeletons
  193 mana vipers
  200 orb spiders
  98 salamander mystics
  335 pharaoh ants
  20 swamp dragons (shapeshifter)
  A spectral anaconda (Tar:1)
  41 mana vipers (shapeshifter)
  34 glowing orange brains (shapeshifter)
  10 arcanists
  14 quicksilver dragon simulacra
  245 flayed ghosts
  51 orb spiders (shapeshifter)
  311 phantasmal warriors
  124 spatial maelstroms
  126 glowing orange brains
  5 goliath frogs (shapeshifter)
  572 spriggan druids
  228 naga ritualists
  15 sun moths (shapeshifter)
  846 large abominations
  247 shadow demons
  329 orc knights
  78 bog bodies
  23 death drakes (shapeshifter)
  87 sun moths
  7 spectral iron dragons
  59 golden dragon skeletons
  11 harpies (shapeshifter)
  727 deep elf archers
  61 death drakes
  234 swamp dragons
  82 harpies
  28 lindwurms
  55 obsidian statues
  46 steelbarb worms (shapeshifter)
  37 shadow dragon zombies
  2 anaconda skeletons
  58 orange crystal statues
  15 lindwurms (shapeshifter)
  1077 deep elf pyromancers
  3 human zombies
  184 ironbound convokers
  43 spriggan simulacra
  45 iron dragon zombies
  60 tengu zombies
  7 lightning spires
  64 shadow dragon skeletons
  482 orc sorcerers
  313 steelbarb worms
  1148 deep elf zephyrmancers
  91 necromancers
  6 glowing shapeshifters
  22 wolf spiders (shapeshifter)
  196 manticores
  238 will-o-the-wisps
  4 oklob plants
  9 frost giant zombies
  193 fauns
  259 shining eyes
  11 sphinx simulacra
  An alligator zombie (Hell)
  3 stone giant zombies
  55 ugly things
  99 salamanders
  444 wolf spiders
  77 meliai
  6 ugly things (shapeshifter)
  182 cyclopes
  27 shining eyes (shapeshifter)
  5 fire giant zombies
  45 elephants
  27 moths of wrath (shapeshifter)
  4 wolf spider zombies (Spider:3)
  63 iron dragon skeletons
  8 salamanders (shapeshifter)
  16 cyclopes (shapeshifter)
  A spectral alligator snapping turtle (Tar:2)
  12 meliai (shapeshifter)
  10 manticores (shapeshifter)
  53 worldbinders
  2 toenail golems
  A dire elephant zombie (Crypt:3)
  6 stone giant skeletons
  29 elephants (shapeshifter)
  27 fauns (shapeshifter)
  8 frost giant skeletons
  893 moths of wrath
  124 merfolk sirens
  A draconian skeleton (Tomb:1)
  47 water nymphs (shapeshifter)
  9 fire giant skeletons
  483 apocalypse crabs
  15 black mambas (shapeshifter)
  465 guardian serpents
  12 guardian serpents (shapeshifter)
  97 cane toads
  26 eyes of devastation (shapeshifter)
  2288 water nymphs
  515 naga magi
  1085 black mambas
  72 rust devils
  35 torpor snails (shapeshifter)
  541 smoke demons
  402 kobold blastminers
  186 orange demons
  56 gargoyles
  1592 torpor snails
  67 ice statues
  A shock serpent skeleton (Crypt:2)
  12 storm dragon simulacra
  36 titan simulacra
  A red draconian zombie (Crypt:1)
  177 vault sentinels
  186 eyes of devastation
  A centaur skeleton (Tomb:1)
  7 unseen horrors (shapeshifter)
  13 cane toads (shapeshifter)
  9 yaktaurs (shapeshifter)
  803 hellions
  69 rime drakes
  4 iron giant simulacra
  Jeremiah (Lair:1)
  92 efreet
  3 sea snake zombies (Hell)
  11 spectral glowing shapeshifters
  4 kobold demonologists
  691 tormentors
  7 komodo dragons (shapeshifter)
  4 spark wasp simulacra
  5 anaconda simulacra
  99 freezing wraiths
  21 golden dragon simulacra
  3 tengu conjurers
  401 ancient zymes
  78 yaktaurs
  A hydra zombie (Hell)
  99 ice devils
  1529 guardian mummies
  3 spectral harpies
  61 komodo dragons
  16 polar bears (shapeshifter)
  115 red devils
  2 queen bees
  170 silent spectres
  171 hellwings
  22 trolls (shapeshifter)
  63 bloated husks
  7 rime drakes (shapeshifter)
  15 queen bees (shapeshifter)
  268 tarantellas
  149 tyrant leeches
  249 merfolk
  125 wind drakes
  286 trolls
  28 polar bears
  18 tengu simulacra
  3 tyrant leeches (shapeshifter)
  54 merfolk (shapeshifter)
  12 shadow dragon simulacra
  319 raiju
  7 wolf spider simulacra (Spider:3)
  An alligator simulacrum (Crypt:2)
  11 wind drakes (shapeshifter)
  3291 hornets
  3 hornets (shapeshifter)
  A hydra skeleton (Hell)
  A harpy skeleton (Crypt:2)
  12 tarantellas (shapeshifter)
  A spectral swamp dragon (Tar:1)
  4 stone giant simulacra
  A meliai zombie (Crypt:3)
  A satyr zombie (Crypt:2)
  38 blink frogs
  180 snapping turtles
  25 glass eyes (shapeshifter)
  24 dream sheep (shapeshifter)
  An ice dragon zombie (WizLab)
  30 snapping turtles (shapeshifter)
  3 fire giant simulacra
  4 blink frogs (shapeshifter)
  16 iron dragon simulacra
  14 dream sheep
  7 raiju (shapeshifter)
  349 glass eyes
  386 air elementals
  A black mamba zombie (Tomb:1)
  3 ettin skeletons
  A frost giant simulacrum (Zig:2)
  290 ynoxinuls
  13 jumping spiders (shapeshifter)
  249 culicivoras
  12 culicivoras (shapeshifter)
  3 ettin zombies
  12 slime creatures (shapeshifter)
  252 jumping spiders
  16 shadows
  1202 slime creatures
  39 wraiths
  6 dire elephant simulacra
  8 spriggans (shapeshifter)
  A satyr skeleton (Crypt:3)
  668 ushabtiu
  123 spriggans
  324 water elementals
  93 yaks
  7 humans (shapeshifter)
  13 yaks (shapeshifter)
  3 basilisks (shapeshifter)
  272 fire elementals
  14 vampires
  5 golden eyes (shapeshifter)
  4 hogs (shapeshifter)
  5 wyverns (shapeshifter)
  46 wyverns
  7 hogs
  26 redbacks (shapeshifter)
  22 vampire mosquitoes
  177 golden eyes
  3 wargs (shapeshifter)
  2 alligator snapping turtle simulacra
  22 basilisks
  291 wargs
  41 steam dragons
  2 human simulacra
  364 neqoxecs
  A steam dragon (shapeshifter) (Zig:5)
  27 spatial vortices
  381 chaos spawn
  390 redbacks
  41 swamp worms (shapeshifter)
  21 harpy simulacra
  373 nagas
  19 swamp worms
  An acid dragon (shapeshifter) (Zig:5)
  A merfolk zombie (Crypt:2)
  35 glowing shapeshifter zombies
  2 nagas (shapeshifter) (Zig:17)
  47 acid dragons
  A fire bat zombie (WizLab)
  108 water moccasins
  2 water moccasins (shapeshifter)
  A fire bat skeleton (Crypt:3)
  7 hydra simulacra
  44 hell hounds
  A human skeleton (Zig:9)
  59 glowing shapeshifter skeletons
  2 ice beasts (shapeshifter)
  46 swamp drakes
  3 ice beasts
  1482 orc warriors
  4 black bears (shapeshifter)
  4 black bears
  5 ettin simulacra
  5 crocodiles
  160 laughing skulls
  A sky beast (D:8)
  3 sky beasts (shapeshifter)
  A tengu (shapeshifter) (Zig:22)
  A wolf (shapeshifter) (Zig:17)
  643 ogres
  2 ogres (shapeshifter)
  4 boggarts
  A crocodile (shapeshifter) (Zig:9)
  21 wolves
  A boggart (shapeshifter) (Zig:24)
  32 centaurs
  A snapping turtle skeleton (Abyss:4)
  2 phantoms
  14 bullfrogs
  A fire crab zombie (Crypt:3)
  8 kobold brigands
  A salamander zombie (Crypt:3)
  A brain worm (shapeshifter) (Zig:18)
  2 brain worms
  A necrophage (Crypt:2)
  13 weeping skulls
  3 gnoll sergeants
  6 scorpions
  Blork the orc (D:4)
  A bullfrog (shapeshifter) (Zig:18)
  322 earth elementals
  5 naga simulacra
  28 glowing shapeshifter simulacra
  16 small abominations
  A yaktaur skeleton (Crypt:2)
  A warg skeleton (Crypt:1)
  12 wights
  A killer bee (shapeshifter) (Zig:25)
  42 killer bees
  3 electric eels
  6 howler monkeys
  6 crimson imps
  A bullfrog zombie (Crypt:1)
  3 quasits
  3 hounds
  A jelly (shapeshifter) (Zig:27)
  204 orc priests
  2 bombardier beetles
  2 gnoll boudas
  3 jellies (D:5)
  781 starcursed masses
  2 iron imps
  2 iguanas (shapeshifter)
  2 iguanas
  231 orc wizards
  31 hell rats
  A naga zombie (Crypt:2)
  70 tengu skeletons
  2623 mummies
  15 gnolls
  11 adders
  10 river rats
  4 shadow imps
  4 white imps
  7 ufetubi
  A jelly zombie (Crypt:2)
  An adder skeleton (Crypt:2)
  An iguana skeleton (Crypt:2)
  A lava snake skeleton (Crypt:2)
  A ribbon worm (shapeshifter) (Zig:15)
  2 dart slugs
  7 ribbon worms
  57 orcs
  13 ball pythons
  6 bats
  12 endoplasms
  4 giant cockroaches
  8 hobgoblins
  8 jackals
  26 kobolds
  3 quokkas
  An endoplasm zombie (Crypt:2)
  5 frilled lizards
  7 goblins
  A goblin zombie (D:7)
  A hobgoblin zombie (D:7)
  A kobold skeleton (D:7)
  5 kobold zombies (D:7)
  An orc zombie (D:7)
  10 rats
  1260 aspiring fleshes
  34 ball lightnings
  4 butterflies
  6 creeping infernos
  495 fire vortices
  4 lurking horrors
  45 starspawn tentacles
  4 tentacles (Zig:21)
152833 creatures vanquished.

Vanquished Creatures (collateral kills)
  18 seraphim
  88 dread liches
  The ghost of Agat the Slayer, a legendary GnWr of Cheibriados (Zig:14)
  The ghost of Agat the Slayer, a legendary GnWr of Cheibriados (Zig:24)
  The ghost of Agat the Slayer, a legendary GnWr of Cheibriados (Zig:24)
  70 ancient liches
  The ghost of Pagapt the Axe Maniac, a legendary HOMo of the Shining One (Zig:24)
  The ghost of Pagapt the Axe Maniac, a legendary HOMo of the Shining One (Zig:12)
  2 orbs of fire
  86 juggernauts
  The ghost of Hatunaig the Draconian Mishap, a master DrSh of Qazlal (Zig:10)
  332 pandemonium lords
  120 royal mummies
  29 shard shrikes
  70 Killer Klowns
  69 caustic shrikes
  12 curse toes
  2 caustic shrikes (shapeshifter)
  563 golden dragons
  A golden dragon (shapeshifter) (Zig:25)
  10 profane servitors
  38 doom hounds
  57 pearl dragons
  33 bone dragons
  3 electric golems
  The ghost of Anihuhunn the Metallomancer, an adept GrEE of Vehumet (Zig:24)
  The ghost of Anihuhunn the Metallomancer, an adept GrEE of Vehumet (Zig:14)
  100 Brimstone Fiends
  64 Tzitzimimeh
  An iron giant (shapeshifter) (Zig:15)
  56 hellephants
  268 tentacled monstrosities
  59 iron giants
  The ghost of Suikiutuiv the Metallomancer, an adept GrEE of Sif Muna (Zig:14)
  An Orb Guardian (Zot:5)
  22 liches
  92 Hell Sentinels
  31 tainted leviathans
  75 quicksilver dragons
  66 Ice Fiends
  141 titans
  2 walking frostbound tomes
  2 deep elf master archers (Zig:19)
  3 deep elf blademasters (Zig:24)
  140 acid blobs
  2 eldritch tentacles (Zig:19)
  141 sphinxes
  64 searing wretches
  34 ancient champions
  6 quicksilver dragons (shapeshifter)
  5 sphinxes (shapeshifter)
  17 Executioners
  8 tentacled starspawn
  34 storm dragons
  A storm dragon (shapeshifter) (Zig:26)
  28 tengu reavers
  20 shadow dragons
  2 thorn hunters
  13 draconian monks
  48 protean progenitors
  72 nagarajas
  25 daevas
  11 azure jellies
  4 azure jellies (shapeshifter)
  12 narguns
  162 rockslimes
  5 revenants
  34 fenstrider witches
  7 emperor scorpions
  23 demonspawn warmongers
  19 fire giants
  16 quicksilver elementals
  50 draconian knights
  2 fire giants (shapeshifter)
  7 deep elf sorcerers
  17 frost giants
  28 iron dragons
  6 caustic shrike zombies
  A fenstrider witch (shapeshifter) (Zig:19)
  35 draconian scorchers
  19 draconian shifters
  12 vault wardens
  7 ghouls
  33 ghost moths
  4 frost giants (shapeshifter)
  5 emperor scorpions (shapeshifter)
  2 spectral juggernauts
  2 spectral caustic shrikes
  87 orc warlords
  119 balrugs
  17 angels
  51 cacodemons
  4 curse skulls
  2 broodmothers
  18 draconian stormcallers
  A juggernaut zombie (Zig:15)
  27 demonspawn corrupters
  9 ironbound preservers
  17 quicksilver oozes
  33 demonspawn blood saints
  27 reapers
  24 draconian annihilators
  3 stone giants (shapeshifter)
  2 juggernaut skeletons
  2 formless jellyfish (shapeshifter)
  36 very ugly things
  61 stone giants
  11 green draconians
  4 deep elf demonologists
  24 ophanim
  8 demonspawn black suns
  30 lorocyprocas
  7 vampire knights
  55 putrid mouths
  8 eleionomae
  3 spectral titans
  19 apis
  19 black draconians
  8 deep elf annihilators
  7 eleionomae (shapeshifter)
  12 red draconians
  13 yellow draconians
  11 war gargoyles
  2 black draconians (shapeshifter)
  86 bennus
  20 wendigos
  6 white draconians
  A minotaur (shapeshifter) (Zig:7)
  6 deep elf death magi
  8 dire elephants
  9 purple draconians
  10 bunyips
  90 green deaths
  7 dire elephants (shapeshifter)
  40 eidola
  14 spark wasps
  17 ettins
  6 quicksilver dragon zombies
  17 iron golems
  2 spectral quicksilver dragons (Zig:25)
  39 blizzard demons
  A merfolk impaler (Zig:17)
  2 merfolk javelineers
  32 mummy priests
  A spectral kraken (Zig:21)
  17 yaktaur captains
  15 entropy weavers
  A fire dragon (shapeshifter) (Zig:23)
  2 spectral golden dragons
  145 shambling mangroves
  16 fire dragons
  11 crystal guardians
  A jiangshi (Zig:21)
  3 juggernaut simulacra
  A hydra (shapeshifter) (Zig:25)
  2 spriggan zombies
  12 great orbs of eyes
  10 ice dragons
  2 spectral spriggans
  7 deep elf high priests
  9 ogre magi
  A rakshasa (Zig:18)
  3 spectral tengu
  66 salamander tyrants
  28 hell beasts
  6 sphinx zombies
  7 alligators
  4 spectral sphinxes
  A radroach (shapeshifter) (Zig:19)
  4 anacondas
  17 hydras
  16 spriggan air magi
  3 catoblepae (shapeshifter)
  2 merfolk avatars
  A spriggan skeleton (Zig:15)
  2 spectral shadow dragons
  2 jorogumos
  A centaur warrior (Zig:19)
  A spectral frost giant (Zig:9)
  2 alligator snapping turtles
  7 catoblepae
  4 alligator snapping turtles (shapeshifter)
  2 deep troll earth magi
  5 satyrs
  7 boulder beetles
  8 ghost crabs
  2 two-headed ogres
  7 stokers
  An anaconda (shapeshifter) (Zig:18)
  2 radroaches
  20 hell hogs
  A two-headed ogre (shapeshifter) (Zig:25)
  21 death scarabs
  30 orc high priests
  3 sphinx skeletons
  11 naga warriors
  12 merfolk aquamancers
  21 dancing weapons
  12 shock serpents
  41 vampire magi
  A spectral storm dragon (Zig:14)
  5 titan zombies
  9 demonic crawlers
  47 soul eaters
  A spriggan berserker (Zig:19)
  3 shock serpents (shapeshifter)
  17 hell knights
  An occultist (Zig:20)
  12 thrashing horrors
  A deep elf knight (Zig:2)
  12 naga sharpshooters
  9 crystal echidnas
  5 skysharks (shapeshifter)
  47 sun demons
  55 wretched stars
  4 fire crabs
  6 storm dragon zombies
  17 iron trolls
  16 shadow wraiths
  8 spriggans
  3 salamander mystics
  12 skysharks
  9 death drakes
  3 sea snakes (shapeshifter)
  12 sixfirhies
  2 pharaoh ants
  18 spatial maelstroms
  3 iron trolls (shapeshifter)
  7 goliath frogs
  A goliath frog (shapeshifter) (Zig:25)
  3 death drakes (shapeshifter)
  A storm dragon skeleton (Zig:27)
  6 glowing orange brains
  A spark wasp zombie (Zig:9)
  4 mana vipers (shapeshifter)
  7 glowing orange brains (shapeshifter)
  7 golden dragon zombies
  2 sea snakes
  8 cherubim
  A cyclops (shapeshifter) (Zig:26)
  2 deep elf archers
  7 deep trolls (shapeshifter)
  2 orb spiders
  4 mana vipers
  24 flayed ghosts
  2 obsidian statues
  3 spectral iron dragons
  3 sun moths (shapeshifter)
  3 naga ritualists
  15 shadow demons
  7 shadow dragon zombies
  6 sun moths
  4 orb spiders (shapeshifter)
  12 orc knights
  43 swamp dragons
  6 swamp dragons (shapeshifter)
  12 spriggan druids
  A harpy (shapeshifter) (Zig:22)
  A lightning spire (Zig:27)
  4 bog bodies
  5 wolf spiders
  2 spriggan simulacra
  An orange crystal statue (Zig:11)
  2 deep elf pyromancers
  34 phantasmal warriors
  8 ironbound convokers
  A sphinx simulacrum (Zig:24)
  4 harpies
  7 steelbarb worms (shapeshifter)
  A lindwurm (shapeshifter) (Zig:22)
  6 steelbarb worms
  7 tengu zombies
  2 iron dragon zombies
  A faun (Zig:19)
  2 golden dragon skeletons
  9 necromancers
  2 tengu skeletons
  3 fauns (shapeshifter)
  An ugly thing (Zig:24)
  3 glowing shapeshifters
  10 orc sorcerers
  27 shining eyes
  4 wolf spiders (shapeshifter)
  23 will-o-the-wisps
  2 shadow dragon skeletons
  6 shining eyes (shapeshifter)
  7 salamanders
  A fire giant zombie (Zig:1)
  9 manticores
  18 large abominations
  4 cyclopes
  4 kobold blastminers
  3 meliai (shapeshifter)
  11 guardian serpents
  61 moths of wrath
  9 vault sentinels
  A meliai (Zig:25)
  3 manticores (shapeshifter)
  3 moths of wrath (shapeshifter)
  3 elephants (shapeshifter)
  7 naga magi
  2 iron dragon skeletons
  39 apocalypse crabs
  2 water nymphs (shapeshifter)
  4 torpor snails (shapeshifter)
  44 smoke demons
  2 ice statues
  12 rust devils
  2 eyes of devastation (shapeshifter)
  3 eyes of devastation
  21 water nymphs
  31 black mambas
  An elephant (Zig:12)
  2 gargoyles (Zig:21)
  A black mamba (shapeshifter) (Zig:8)
  5 orange demons
  2 cane toads
  19 torpor snails
  A yaktaur (Zig:25)
  57 hellions
  An unseen horror (shapeshifter) (Zig:15)
  43 tormentors
  5 efreet
  2 yaktaurs (shapeshifter)
  2 rime drakes
  19 red devils
  8 freezing wraiths
  2 komodo dragons (Zig:19)
  5 ice devils
  3 spectral glowing shapeshifters
  88 guardian mummies
  A merfolk (shapeshifter) (Zig:7)
  3 merfolk
  13 ancient zymes
  21 silent spectres
  A queen bee (shapeshifter) (Zig:25)
  8 tyrant leeches
  5 wind drakes
  4 trolls
  548 hornets
  A tengu simulacrum (Zig:26)
  A wind drake (shapeshifter) (Zig:25)
  19 hellwings
  A raiju (shapeshifter) (Zig:26)
  A glass eye (shapeshifter) (Zig:20)
  3 tarantellas
  7 raiju
  3 dream sheep (shapeshifter)
  A dream sheep (Zig:9)
  2 air elementals
  3 snapping turtles (shapeshifter)
  52 slime creatures
  3 jumping spiders
  A jumping spider (shapeshifter) (Zig:24)
  A snapping turtle (Zig:23)
  3 culicivoras (shapeshifter)
  7 glass eyes
  A culicivora (Zig:26)
  A yak (shapeshifter) (Zig:22)
  A spriggan (shapeshifter) (Zig:20)
  23 ushabtiu
  A shadow (Zig:14)
  A water elemental (Zig:17)
  6 golden eyes
  A hog (shapeshifter) (Zig:25)
  A yak (Zig:10)
  2 wyverns (shapeshifter)
  25 ynoxinuls
  24 neqoxecs
  3 redbacks
  2 basilisks
  21 starcursed masses
  A golden eye (shapeshifter) (Zig:8)
  A wyvern (Zig:21)
  A steam dragon (Zig:21)
  5 wargs
  32 chaos spawn
  3 vampire mosquitoes
  4 redbacks (shapeshifter)
  A swamp worm (Zig:20)
  A glowing shapeshifter zombie (Zig:22)
  5 spatial vortices
  2 swamp worms (shapeshifter)
  16 nagas
  An acid dragon (Zig:8)
  A water moccasin (shapeshifter) (Zig:23)
  4 hell hounds
  A water moccasin (Zig:24)
  6 swamp drakes
  An ice beast (shapeshifter) (Zig:26)
  30 orc warriors
  7 laughing skulls
  12 ogres
  A wolf (Zig:8)
  A brain worm (shapeshifter) (Zig:24)
  3 glowing shapeshifter simulacra
  An earth elemental (Zig:21)
  4 orc priests
  3 orc wizards
  8 hell rats
  199 mummies
  114 aspiring fleshes
  15 ball lightnings
  404 fire vortices
  A spectral weapon (Zig:7)
  A starspawn tentacle (Zig:27)
8619 creatures vanquished.

Vanquished Creatures (others)
  12 seraphim
  51 dread liches
  The ghost of Agat the Slayer, a legendary GnWr of Cheibriados (Zig:14)
  The ghost of Wuziru the Skinwalker, a legendary GrEE of Gozag (Zig:10)
  The ghost of Wuziru the Skinwalker, a legendary GrEE of Gozag (Zig:14)
  34 ancient liches
  The ghost of Pagapt the Axe Maniac, a legendary HOMo of the Shining One (Zig:14)
  The ghost of Pagapt the Axe Maniac, a legendary HOMo of the Shining One (Zig:24)
  8 orbs of fire
  49 juggernauts
  The ghost of Hatunaig the Draconian Mishap, a master DrSh of Qazlal (Zig:10)
  The ghost of Hatunaig the Draconian Mishap, a master DrSh of Qazlal (Zig:10)
  83 royal mummies
  13 shard shrikes
  157 Killer Klowns
  A caustic shrike (shapeshifter) (Zig:21)
  30 caustic shrikes
  8 curse toes
  10 profane servitors
  378 golden dragons
  37 pearl dragons
  25 bone dragons
  16 doom hounds
  449 pandemonium lords
  The ghost of Anihuhunn the Metallomancer, an adept GrEE of Vehumet (Zig:24)
  23 starcursed masses
  58 iron giants
  90 Brimstone Fiends
  256 tentacled monstrosities
  An iron giant (shapeshifter) (Zig:21)
  59 Tzitzimimeh
  35 hellephants
  The ghost of Suikiutuiv the Metallomancer, an adept GrEE of Sif Muna (Zig:14)
  The ghost of Suikiutuiv the Metallomancer, an adept GrEE of Sif Muna (Zig:24)
  The ghost of Suikiutuiv the Metallomancer, an adept GrEE of Sif Muna (Zig:24)
  41 Ice Fiends
  21 searing wretches
  14 liches
  Asterion (Elf:2)
  135 Hell Sentinels
  20 tainted leviathans
  5 deep elf blademasters
  3 acid blobs (shapeshifter)
  10 quicksilver dragons (shapeshifter)
  76 acid blobs
  82 titans
  67 quicksilver dragons
  4 deep elf master archers
  13 sphinxes (shapeshifter)
  12 Executioners
  6 ancient champions
  4 eldritch tentacles
  2 storm dragons (shapeshifter)
  57 sphinxes
  5 tentacled starspawn
  25 tengu reavers
  11 storm dragons
  2 thorn hunters
  21 daevas
  62 nagarajas
  5 shadow dragons (shapeshifter)
  8 azure jellies (shapeshifter)
  18 draconian monks
  17 shadow dragons
  3 revenants
  6 azure jellies
  18 fenstrider witches
  71 rockslimes
  11 fire giants (shapeshifter)
  16 narguns
  23 frost giants
  117 protean progenitors
  4 demonspawn warmongers
  3 emperor scorpions (shapeshifter)
  14 fenstrider witches (shapeshifter)
  64 draconian knights
  9 draconian shifters
  4 deep elf sorcerers
  3 ghost moths
  6 emperor scorpions
  4 frost giants (shapeshifter)
  110 balrugs
  11 vault wardens
  A deep elf elementalist (Zig:22)
  29 iron dragons
  14 fire giants
  9 orc warlords
  2 ghost moths (shapeshifter)
  2 broodmothers
  5 angels
  4 quicksilver oozes
  11 draconian scorchers
  36 cacodemons
  A ghoul (Zig:22)
  A shard shrike simulacrum (Coc:6)
  4 ironbound preservers
  9 draconian stormcallers
  11 draconian annihilators
  A caustic shrike skeleton (Zig:22)
  A formless jellyfish (Zig:19)
  6 demonspawn corrupters
  36 very ugly things
  27 reapers
  7 demonspawn blood saints
  9 stone giants (shapeshifter)
  10 formless jellyfish (shapeshifter)
  A broodmother (shapeshifter) (Zig:19)
  8 eleionomae (shapeshifter)
  12 deep elf annihilators
  3 eleionomae
  2 stone giants
  4 deep elf death magi
  5 vampire knights
  4 green draconians
  16 ophanim
  9 demonspawn black suns
  2 dire elephants
  23 putrid mouths
  A dire elephant (shapeshifter) (Zig:25)
  8 apis
  7 lorocyprocas
  15 black draconians
  6 red draconians
  A red draconian (shapeshifter) (Zig:8)
  4 yellow draconians
  8 bunyips
  5 spark wasps
  11 wendigos
  14 deep elf demonologists
  82 bennus
  3 minotaurs (shapeshifter)
  6 white draconians
  2 purple draconians
  A bunyip (shapeshifter) (Zig:22)
  13 mummy priests
  20 eidola
  2 merfolk javelineers
  44 blizzard demons
  8 ettins
  3 deep elf high priests
  45 green deaths
  An ettin (shapeshifter) (Zig:15)
  36 entropy weavers
  A spriggan zombie (Zig:22)
  17 fire dragons
  2 merfolk impalers
  30 shambling mangroves
  4 great orbs of eyes
  6 hydras
  A hell beast (Zig:25)
  A jorogumo (shapeshifter) (Zig:19)
  16 salamander tyrants
  5 ice dragons
  2 ghost crabs (Zig:14)
  3 yaktaur captains
  2 quicksilver dragon skeletons
  15 spriggan air magi
  A rakshasa (Pan)
  6 jorogumos
  3 radroaches
  3 ice dragons (shapeshifter)
  3 anacondas
  5 catoblepae (shapeshifter)
  5 catoblepae (Zig:24)
  An alligator (shapeshifter) (Zig:13)
  2 juggernaut simulacra
  10 alligators
  2 anacondas (shapeshifter)
  20 merfolk aquamancers
  A hydra (shapeshifter) (Zig:21)
  3 dancing weapons
  A two-headed ogre (shapeshifter) (Zig:25)
  A boulder beetle (shapeshifter) (Zig:25)
  7 satyrs
  10 alligator snapping turtles (shapeshifter)
  5 stokers
  2 death yaks (shapeshifter)
  12 boulder beetles
  A satyr (shapeshifter) (Zig:21)
  2 death scarabs
  17 vampire magi
  4 naga warriors
  3 demonic crawlers
  3 thrashing horrors
  A titan zombie (Zig:20)
  4 hell hogs
  4 shock serpents
  18 naga sharpshooters
  2 orc high priests
  A shock serpent (shapeshifter) (Zig:25)
  37 soul eaters
  A titan skeleton (Zig:24)
  2 spriggan berserkers
  4 deep elf knights
  5 crystal echidnas
  2 hell knights
  2 iron trolls
  2 fire crabs
  5 sun demons
  7 skysharks (shapeshifter)
  16 shadow wraiths
  A fire crab (shapeshifter) (Zig:25)
  12 iron trolls (shapeshifter)
  A salamander mystic (Zig:21)
  15 skysharks
  12 cherubim
  2 death drakes (shapeshifter)
  3 orb spiders (shapeshifter)
  A sixfirhy (Pan)
  5 deep trolls (shapeshifter)
  A goliath frog (shapeshifter) (Zig:26)
  A sea snake (Zig:8)
  14 spriggan druids
  A storm dragon skeleton (Zig:20)
  65 wretched stars
  A spriggan simulacrum (Zig:14)
  2 quicksilver dragon simulacra
  7 flayed ghosts
  10 mana vipers (shapeshifter)
  3 glowing orange brains
  2 death drakes
  4 glowing orange brains (shapeshifter)
  7 orb spiders
  3 large abominations
  6 shadow demons
  3 swamp dragons (shapeshifter)
  3 steelbarb worms (shapeshifter)
  8 goliath frogs
  A naga ritualist (Zig:23)
  7 swamp dragons
  2 orange crystal statues (Zig:12)
  5 steelbarb worms
  2 deep trolls (Zig:17)
  14 phantasmal warriors
  4 deep elf archers
  A harpy (Zig:11)
  A bog body (Zig:12)
  A lindwurm (shapeshifter) (Zig:23)
  A shadow dragon zombie (Zig:24)
  An obsidian statue (Zig:12)
  3 sun moths (shapeshifter)
  An orc knight (Zig:20)
  A tengu zombie (Zig:24)
  A spectral wolf spider (Spider:3)
  4 ugly things
  8 deep elf zephyrmancers
  7 fauns (shapeshifter)
  2 harpies (shapeshifter) (Zig:25)
  An iron dragon zombie (Zig:20)
  4 necromancers
  4 deep elf pyromancers
  7 shining eyes (shapeshifter)
  3 cyclopes (shapeshifter)
  A glowing shapeshifter (Zig:21)
  11 will-o-the-wisps
  2 salamanders (Zig:12)
  2 wolf spiders (shapeshifter)
  7 manticores (shapeshifter)
  A worldbinder (Zig:21)
  2 shadow dragon skeletons
  6 wolf spiders
  2 orc sorcerers
  10 shining eyes
  14 manticores
  2 salamanders (shapeshifter) (Zig:23)
  An ugly thing (shapeshifter) (Zig:19)
  A meliai (shapeshifter) (Zig:23)
  4 cyclopes
  3 elephants (shapeshifter)
  8 moths of wrath
  7 moths of wrath (shapeshifter)
  4 black mambas
  A vault sentinel (Zig:24)
  A black mamba (shapeshifter) (Zig:26)
  A dire elephant zombie (Hell)
  A meliai (Zig:25)
  15 smoke demons
  10 water nymphs (shapeshifter)
  2 guardian serpents
  5 naga magi
  A titan simulacrum (Zig:26)
  6 water nymphs
  68 apocalypse crabs
  4 eyes of devastation
  A guardian serpent (shapeshifter) (Zig:23)
  5 eyes of devastation (shapeshifter)
  3 orange demons
  8 torpor snails
  3 torpor snails (shapeshifter)
  9 hellions
  3 komodo dragons (shapeshifter)
  2 rime drakes (shapeshifter)
  An unseen horror (Abyss:2)
  3 freezing wraiths
  An efreet (Zig:22)
  2 ice devils
  4 red devils
  9 tormentors
  A bunyip simulacrum (Coc:1)
  7 ancient zymes
  13 guardian mummies
  A troll (shapeshifter) (Zig:21)
  4 silent spectres
  4 hellwings
  16 bloated husks
  122 hornets
  5 tyrant leeches
  2 queen bees (shapeshifter)
  11 wind drakes
  3 merfolk (shapeshifter)
  11 tarantellas (shapeshifter)
  A merfolk (Zig:24)
  3 wind drakes (shapeshifter)
  An iron dragon simulacrum (Zig:15)
  2 tyrant leeches (shapeshifter)
  5 snapping turtles
  A raiju (Abyss:4)
  9 dream sheep (shapeshifter)
  4 glass eyes (shapeshifter)
  A glass eye (Zig:9)
  7 snapping turtles (shapeshifter)
  3 slime creatures (shapeshifter)
  A ynoxinul (Pan)
  9 slime creatures
  A spriggan (shapeshifter) (Zig:22)
  6 spriggans
  11 water elementals
  9 air elementals
  A wyvern (shapeshifter) (Zig:18)
  A wraith (Zig:11)
  4 ushabtiu
  A yak (shapeshifter) (Zig:25)
  2 fire bats (Abyss:4)
  A human (Crypt:1)
  4 neqoxecs
  A warg (Zig:7)
  7 redbacks (shapeshifter)
  A fire bat (shapeshifter) (Zig:17)
  3 golden eyes
  3 golden eyes (shapeshifter)
  77 chaos spawn
  6 vampire mosquitoes
  12 swamp worms (shapeshifter)
  3 swamp worms
  3 harpy simulacra
  A glowing shapeshifter zombie (Zig:24)
  5 hell hounds
  A hydra simulacrum (Coc:6)
  An acid dragon (Zig:23)
  A swamp drake (shapeshifter) (Zig:15)
  2 orc warriors
  2 swamp drakes
  A scorpion (shapeshifter) (Zig:15)
  A crimson imp (Zig:17)
  33 mummies
  2 orcs (Orc:2)
  An endoplasm (D:4)
  85 aspiring fleshes
  135 ball lightnings
  3 creeping infernos
  2137 fire vortices
  107 foxfires
  A lurking horror (Abyss:5)
  2 spectral weapons (Zig:17)
  59 starspawn tentacles
  8 tentacles
7688 creatures vanquished.

Grand Total: 169140 creatures vanquished

Notes
Turn   | Place    | Note
-------+----------+-------------------------------------------
     0 | D:1      | Aviak the Demonspawn Shapeshifter began the quest for the
                  | Orb.
     0 | D:1      | Reached XP level 1. HP: 15/15 MP: 1/1
   151 | D:1      | Gained mutation: When seriously injured, your blood forms
                  | armour. (AC +0) [demonic ancestry]
   151 | D:1      | Reached XP level 2. HP: 15/21 MP: 2/2
   531 | D:1      | Gained mutation: When seriously injured, your blood forms
                  | thick armour. (AC +0) [demonic ancestry]
   531 | D:1      | Reached XP level 3. HP: 26/26 MP: 3/3
   834 | D:2      | You fall into a shaft and drop 2 floors!
   838 | D:4      | Noticed an ogre
   848 | D:4      | Noticed Blork the orc
   850 | D:4      | Killed an ogre
   851 | D:4      | Gained mutation: You sometimes gain a little power by
                  | taking damage. [demonic ancestry]
   851 | D:4      | Reached XP level 4. HP: 34/34 MP: 4/4
   863 | D:4      | Killed Blork the orc
   864 | D:4      | Reached XP level 5. HP: 39/39 MP: 5/5
   872 | D:4      | Found a basalt altar of Yredelemnul.
  1128 | D:2      | Found a broken altar of Ashenzari.
  1334 | D:2      | Found a faded altar of an unknown god.
  1569 | D:2      | Gained mutation: Your system is resistant to poisons.
                  | (rPois) [potion of mutation]
  1569 | D:2      | Gained mutation: You have sharp toenails. [potion of
                  | mutation]
  1569 | D:2      | Gained mutation: You are partially covered in large bone
                  | plates. (SH +4) [potion of mutation]
  1945 | D:3      | Found an ancient bone altar of Kikubaaqudgha.
  2194 | D:3      | Gained mutation: You regenerate magic rapidly. [demonic
                  | ancestry]
  2194 | D:3      | Reached XP level 6. HP: 47/47 MP: 6/6
  2285 | D:4      | Found a staircase to the Ecumenical Temple.
  2315 | Temple   | Entered the Ecumenical Temple
  2416 | Temple   | Became a worshipper of Gozag Ym Sagoz the Greedy
  2721 | D:4      | Noticed a steam dragon
  2753 | D:4      | Killed a steam dragon
  3190 | D:4      | Reached XP level 7. HP: 44/52 MP: 7/7
  3277 | D:5      | Entered Level 5 of the Dungeon
  3857 | D:5      | Noticed a troll
  3873 | D:5      | Killed a troll
  3998 | D:5      | Reached skill level 5 in Unarmed Combat
  3998 | D:5      | Gained mutation: You have a small tail. [demonic ancestry]
  3998 | D:5      | Reached XP level 8. HP: 61/61 MP: 8/8
  4191 | D:5      | Reached skill level 5 in Shapeshifting
  4208 | D:5      | Reached skill level 5 in Fighting
  4287 | D:5      | Reached skill level 5 in Dodging
  5116 | D:6      | Found a glowing drain.
  5123 | Sewer    | Entered a sewer
  6111 | D:6      | Reached XP level 9. HP: 59/69 MP: 9/9
  6820 | D:7      | Found a shadowy altar of Dithmenos.
  6820 | D:7      | Found a sacrificial altar of Ru.
  7871 | D:8      | Found a staircase to the Lair.
  7871 | D:8      | Noticed a death yak
  7871 | D:8      | Noticed a death yak
  7872 | D:8      | Noticed a death yak
  7894 | D:8      | Killed a death yak
  8198 | D:8      | Got the Incunable of the Sweltering Quarry
  8242 | D:8      | Killed a death yak
  8243 | D:8      | Gained mutation: When seriously injured, your blood forms
                  | very thick armour. (AC +0) [demonic ancestry]
  8243 | D:8      | Reached XP level 10. HP: 77/79 MP: 10/10
  8245 | D:8      | Killed a death yak
  8782 | D:8      | Noticed a two-headed ogre
  8796 | D:8      | Killed a two-headed ogre
  8930 | D:8      | Noticed Erica
  8939 | D:8      | Killed Erica
  9827 | D:9      | Gained mutation: You have a tail ending in a sharp stinger.
                  | [demonic ancestry]
  9827 | D:9      | Reached XP level 11. HP: 42/84 MP: 11/11
 10359 | D:9      | Found a stormy altar of Qazlal.
 10524 | D:10     | Entered Level 10 of the Dungeon
 10557 | D:10     | Noticed a two-headed ogre
 10578 | D:10     | Noticed a two-headed ogre
 10591 | D:9      | Killed a two-headed ogre
 10801 | D:10     | Learned a level 3 spell: Fugue of the Fallen
 10828 | D:10     | Noticed a sixfirhy
 11261 | D:10     | Killed a two-headed ogre
 11490 | D:10     | Found the +3 greatsling "Punk" {acid, rCorr}
 11522 | D:10     | Found a burning altar of Makhleb.
 11629 | D:10     | Found an ornate altar of the Wu Jian Council.
 12100 | Lair:1   | Entered Level 1 of the Lair of Beasts
 12923 | Lair:1   | Noticed Jeremiah
 12940 | Lair:1   | Killed Jeremiah
 13252 | Lair:1   | Reached skill level 10 in Fighting
 13254 | Lair:1   | Gained mutation: When hurt, damage is shared between your
                  | health and your magic reserves. [demonic ancestry]
 13254 | Lair:1   | Reached XP level 12. HP: 73/97 MP: 12/12
 14134 | Lair:2   | Identified the +4 pair of boots of Nischefat {rF- rCorr
                  | Dex+3}
 14794 | Lair:3   | Found a hole to the Spider Nest.
 14968 | Lair:3   | Reached skill level 10 in Unarmed Combat
 14977 | Lair:3   | Reached skill level 1 in Necromancy
 15112 | Lair:3   | Found a runed translucent door.
 15117 | Lair:3   | Identified the +0 spear "Kagh" {freeze, Fly rElec rF-
                  | Will+++}
 15118 | Lair:3   | Noticed Huasawuy's ghost (journeyman TrHW)
 15152 | Lair:3   | Noticed Urug
 15160 | Lair:3   | Killed Urug
 15302 | Lair:3   | Reached skill level 10 in Dodging
 15578 | Lair:3   | Reached skill level 10 in Shapeshifting
 15993 | Lair:3   | Found a staircase to the Swamp.
 16839 | Lair:4   | Reached XP level 13. HP: 93/104 MP: 13/13
 17272 | Lair:5   | Entered Level 5 of the Lair of Beasts
 17445 | Lair:5   | Reached skill level 1 in Spellcasting
 17816 | Lair:5   | Found a staircase to the Slime Pits.
 17911 | Lair:5   | Reached skill level 5 in Necromancy
 18894 | Lair:5   | Identified the +2 sling of the Hurting Butterfly {flame,
                  | Int+6 SInv}
 18901 | Lair:5   | Noticed a fire dragon
 18932 | Lair:5   | Killed a fire dragon
 19230 | D:10     | Bought a scroll of identify for 58 gold pieces
 19230 | D:10     | Bought a potion of curing for 87 gold pieces
 19230 | D:10     | Bought a scroll of teleportation for 87 gold pieces
 19230 | D:10     | Bought a scroll of teleportation for 87 gold pieces
 19230 | D:10     | Bought a lightning rod (4/4) for 1160 gold pieces
 19230 | D:10     | Bought a potion of lignification for 87 gold pieces
 19230 | D:10     | Bought a scroll of identify for 58 gold pieces
 19265 | D:11     | Noticed Lodul
 19307 | D:11     | Killed Lodul
 19415 | D:11     | Noticed Nergalle
 19428 | D:11     | Killed Nergalle
 19533 | D:11     | Reached skill level 1 in Evocations
 19586 | D:11     | Noticed Snorg
 19598 | D:11     | Killed Snorg
 19757 | D:11     | Learned a level 3 spell: Ozocubu's Armour
 20242 | D:12     | Reached skill level 1 in Ice Magic
 20242 | D:12     | Gained mutation: You have a sharp stinger which inflicts
                  | weakening toxins. [demonic ancestry]
 20242 | D:12     | Reached XP level 14. HP: 81/111 MP: 11/17
 20624 | D:12     | Found a staircase to the Orcish Mines.
 20682 | Orc:1    | Entered Level 1 of the Orcish Mines
 20744 | Orc:1    | Found Fototh's Antique Armour Shoppe.
 20890 | Orc:2    | Entered Level 2 of the Orcish Mines
 20890 | Orc:2    | Found a staircase to the Elven Halls.
 20944 | Orc:2    | Found Zoq Ise's Overcharged Wands.
 21517 | Orc:2    | Noticed Josephine
 21517 | Orc:2    | Noticed Donald
 21541 | Orc:2    | Killed Josephine
 21577 | Orc:2    | Killed Donald
 21867 | Orc:2    | Reached skill level 5 in Evocations
 22144 | Orc:2    | Found Agaotrib's Assorted Antiques.
 22144 | Orc:2    | Found Zubrytta's Antique Armour Emporium.
 22145 | Orc:2    | Found Irchankav's Jewellery Emporium.
 22145 | Orc:2    | Found Tohenep's Weapon Shoppe.
 22169 | Orc:2    | Identified 5 scrolls of acquirement
 22173 | Orc:2    | Acquired a manual of Fighting
 22175 | Orc:2    | Acquired a manual of Unarmed Combat
 22177 | Orc:2    | Acquired a manual of Ice Magic
 22179 | Orc:2    | Acquired 564 gold pieces
 22181 | Orc:2    | Acquired the ring of Royalty {rPois rCorr Int+2 Dex+6}
 23001 | D:13     | Reached XP level 15. HP: 113/121 MP: 18/18
 23277 | D:13     | Noticed a tengu reaver
 23291 | D:13     | Killed a tengu reaver
 23719 | D:14     | Bought a scroll of fear for 44 gold pieces
 23719 | D:14     | Bought a scroll of revelation for 82 gold pieces
 23719 | D:14     | Bought 2 scrolls of fog for 88 gold pieces
 23719 | D:14     | Bought a scroll of identify for 22 gold pieces
 23719 | D:14     | Bought a scroll of identify for 22 gold pieces
 23719 | D:14     | Bought a scroll of identify for 22 gold pieces
 24173 | D:14     | Identified the amulet of Jurosk {rF+ Regen+}
 24646 | D:14     | Found a gate to the Vaults.
 24768 | D:15     | Entered Level 15 of the Dungeon
 24867 | D:14     | Reached skill level 15 in Fighting
 25287 | D:15     | Found a staircase to the Depths.
 25731 | Swamp:1  | Entered Level 1 of the Swamp
 25935 | Lair:3   | Killed Huasawuy's ghost
 26157 | Swamp:1  | Reached skill level 15 in Unarmed Combat
 26217 | Swamp:1  | Noticed Roxanne
 26233 | Swamp:1  | Noticed Kirke
 26251 | Swamp:2  | Noticed Louise
 26279 | Swamp:2  | Gained mutation: You punish those that try to bend your
                  | will. (Will+) [demonic ancestry]
 26279 | Swamp:2  | Reached XP level 16. HP: 52/139 MP: 19/19
 26486 | Swamp:2  | Killed Kirke
 26585 | Swamp:1  | Killed Roxanne
 26762 | Swamp:1  | Noticed a thorn hunter
 26784 | Swamp:1  | Killed a thorn hunter
 27144 | Swamp:2  | Killed Louise
 27689 | Swamp:2  | Reached skill level 1 in Shields
 28756 | Swamp:4  | Entered Level 4 of the Swamp
 28802 | Swamp:4  | Reached skill level 15 in Shapeshifting
 29137 | Swamp:4  | Gained mutation: You are resistant to unholy torment.
                  | [demonic ancestry]
 29137 | Swamp:4  | Reached XP level 17. HP: 145/145 MP: 20/20
 29144 | Swamp:4  | Reached skill level 5 in Shields
 29541 | Swamp:4  | Got a decaying rune of Zot
 29847 | Spider:1 | Entered Level 1 of the Spider Nest
 30546 | Spider:1 | Noticed Mlioglotl
 30556 | Spider:1 | Killed Mlioglotl
 31196 | Spider:2 | Noticed Azrael
 31200 | Spider:2 | Noticed Frances
 31250 | Spider:1 | Killed Azrael
 31267 | Spider:2 | Killed Frances
 31772 | Spider:2 | You fall into a shaft and drop 1 floor!
 31856 | Spider:3 | Reached XP level 18. HP: 71/155 MP: 11/21
 32243 | Spider:3 | Noticed Arachne
 32256 | Spider:3 | Killed Arachne
 33458 | Spider:4 | Entered Level 4 of the Spider Nest
 33946 | Spider:4 | Found the +3 pair of seven-league boots {Rampage+∞}
 33967 | Spider:4 | Got a gossamer rune of Zot
 33975 | Spider:4 | Reached skill level 10 in Shields
 33975 | Spider:4 | Reached XP level 19. HP: 164/164 MP: 22/22
 34244 | Spider:4 | Noticed krest9999's ghost (journeyman DrSh)
 34247 | Spider:4 | Found a runed translucent door.
 34325 | Spider:4 | Killed krest9999's ghost
 34908 | Elf:1    | Entered Level 1 of the Elven Halls
 34920 | Elf:1    | Paralysed by an air elemental for 1 turns
 34934 | Elf:1    | Found a radiant altar of Vehumet.
 35254 | Elf:1    | Found Vom Laic's Armour Shoppe.
 35267 | Elf:1    | Paralysed by an air elemental for 1 turns
 35276 | Elf:1    | Found Supp's Armour Shoppe.
 35315 | Elf:1    | Bought the +0 helmet of the Red Skies {Regen+ Stlth+} for
                  | 243 gold pieces
 35452 | Elf:1    | Reached XP level 20. HP: 172/172 MP: 21/23
 35494 | Elf:1    | Got the Directory of Alteration
 35784 | Elf:2    | Found an ancient bone altar of Kikubaaqudgha.
 36047 | Elf:2    | Noticed Asterion
 36057 | Elf:2    | Killed Asterion
 36201 | Elf:2    | Found a runed translucent gate.
 36202 | Elf:2    | Found a runed translucent gate.
 36202 | Elf:2    | Found a runed translucent gate.
 36809 | Elf:2    | Bought a shiny tower shield for 247 gold pieces
 36809 | Elf:2    | Bought a glowing tower shield for 247 gold pieces
 36813 | Elf:3    | Entered Level 3 of the Elven Halls
 36855 | Elf:3    | Found Bebiyd's Armour Emporium.
 36869 | Elf:3    | Found Giecweis's General Store.
 37206 | Elf:3    | Learned a level 5 spell: Borgnjor's Vile Clutch
 37528 | Elf:3    | Reached skill level 1 in Earth Magic
 37692 | Elf:3    | Identified the +0 scale mail of the World {rF+ rN+}
 37884 | Elf:3    | Identified the amulet "Saynac" {Spirit rN+ Regen+ Str-2
                  | Int+4}
 37957 | Elf:3    | Identified the +3 great sword of the Hero {flame, rC-
                  | Dex+7}
 37957 | Elf:3    | Identified the ring of the Beasts {EV+5 Str+7}
 37972 | Elf:3    | Identified the +9 shortbow of Purpose {freeze, rElec rPois
                  | rN+++ Str-5}
 37975 | Elf:3    | Identified the +7 falchion of Dothrall {flame, rF+ Dex+4}
 37988 | Elf:3    | Identified the +7 dagger "Qijarroc" {venom, rPois rC+}
 37994 | Elf:3    | Got Fisiurr's Cyclopedia of Nightshade
 38026 | Elf:3    | Identified the +0 robe "Wuobenas" {Dex+5}
 38029 | Elf:3    | Identified the staff of Day {rPois Str+3 Alchemy}
 38032 | Elf:3    | Identified the +11 mace of Tucoil {flame, rN++ Will+ rCorr
                  | Stlth+}
 38248 | Elf:3    | Identified the +1 falchion "Goblin's Nightmare" {speed,
                  | SInv}
 38565 | Vaults:1 | Entered Level 1 of the Vaults
 38580 | Vaults:1 | Found Imipp's Book Shop.
 38647 | Vaults:1 | Bought a book of Annihilations for 1080 gold pieces
 38842 | Vaults:1 | Found Vuanlan's General Store.
 38846 | Vaults:1 | Bought a potion of might for 56 gold pieces
 38846 | Vaults:1 | Bought a scroll of teleportation for 42 gold pieces
 38846 | Vaults:1 | Bought a potion of heal wounds for 70 gold pieces
 38846 | Vaults:1 | Bought a scroll of enchant armour for 105 gold pieces
 38887 | Vaults:1 | Reached XP level 21. HP: 181/181 MP: 28/28
 38935 | Vaults:1 | Reached skill level 5 in Ice Magic
 39233 | Vaults:1 | Found Hearap's Assorted Antiques.
 39245 | Vaults:1 | Reached skill level 5 in Spellcasting
 39256 | Vaults:1 | Bought 2 potions of heal wounds for 440 gold pieces
 39256 | Vaults:1 | Bought a heavily runed helmet for 418 gold pieces
 39256 | Vaults:1 | Identified the +2 helmet "Wul Doho" {rCorr} (You bought it
                  | in a shop on level 1 of the Vaults)
 39256 | Vaults:1 | Bought a scroll of blinking for 330 gold pieces
 39352 | Vaults:1 | Found Ifuuroab's Armour Emporium.
 39808 | Vaults:2 | Reached skill level 5 in Earth Magic
 39952 | Vaults:2 | Found Yllolapa's Jewellery Shop.
 40223 | Vaults:2 | Found the ring of the Tortoise {AC+8}
 40583 | Vaults:2 | Found the brooch of Shielding {Spirit SH+8}
 41423 | Vaults:3 | Reached skill level 10 in Necromancy
 41503 | Vaults:3 | Bought a scroll of enchant weapon for 322 gold pieces
 41503 | Vaults:3 | Bought a potion of haste for 430 gold pieces
 42124 | Vaults:3 | Found a staircase to the Crypt.
 42418 | Vaults:4 | Noticed Margery
 42444 | Vaults:4 | Killed Margery
 42504 | Vaults:4 | Gained mutation: You sometimes gain power by taking damage.
                  | [demonic ancestry]
 42504 | Vaults:4 | Reached XP level 22. HP: 185/185 MP: 31/31
 42645 | Vaults:4 | Found Lizoacot's Armour Emporium.
 42969 | Vaults:4 | Identified the orb of Wuant {*channel, Dex-5 SInv Ice}
 42969 | Vaults:4 | Noticed Frederick
 43002 | Vaults:4 | Killed Frederick
 43027 | Vaults:4 | Reached skill level 15 in Shields
 43215 | Vaults:4 | Got the Tome of Fumes and Congelation
 43666 | Vaults:5 | Entered Level 5 of the Vaults
 43678 | Vaults:5 | Noticed a dread lich
 43733 | Vaults:5 | Noticed Bai Suzhen
 43749 | Vaults:5 | Noticed a dread lich
 43754 | Vaults:5 | Killed Bai Suzhen
 43826 | Vaults:5 | Noticed an ancient lich
 43833 | Vaults:5 | Killed an ancient lich
 43856 | Vaults:5 | Found the +2 shield of Resistance {rF++ rC++ Will++}
 43860 | Vaults:5 | Identified the +2 pair of boots of Miuhagyl {^Drain rF+
                  | Dex+3 SInv}
 44003 | Vaults:5 | Identified the +1 quarterstaff of Clean Indomitability
                  | {flame, ^Contam rElec rF+ rC+ Dex+3}
 44203 | Vaults:5 | Killed a dread lich
 44205 | Vaults:5 | Noticed a golden dragon
 44220 | Vaults:5 | Killed a dread lich
 44221 | Vaults:5 | Killed a golden dragon
 44222 | Vaults:5 | Gained mutation: When low on magic, you restore magic in
                  | place of health. [demonic ancestry]
 44222 | Vaults:5 | Reached XP level 23. HP: 171/194 MP: 28/36
 44234 | Vaults:5 | Reached skill level 10 in Spellcasting
 44237 | Vaults:5 | Reached skill level 10 in Earth Magic
 44289 | Vaults:5 | Got Umec Dydgh's Precepts of the Catacomb
 44383 | Vaults:5 | Identified the +6 glaive "Zuuczogge" {drain, rC++ rN++}
 44434 | Vaults:5 | Noticed Mara
 44443 | Vaults:5 | Noticed Aviak's illusion
 44444 | Vaults:5 | Killed Mara
 44522 | Vaults:5 | Identified the +4 scale mail of Quneofy {^Contam rPois
                  | Will- Int+4}
 44729 | Vaults:5 | Got a silver rune of Zot
 45356 | Vaults:5 | Noticed a dread lich
 45364 | Vaults:5 | Killed a dread lich
 45367 | Vaults:5 | Identified the +12 arbalest of Tybul {penet, rElec rC+
                  | Int+5 Stlth-}
 45367 | Vaults:5 | Identified the +4 sling of the Kidney {elec, rCorr}
 45409 | Vaults:5 | Got the Volume of the Smouldering Tektite
 45410 | Vaults:5 | Found the +8 lance "Wyrmbane" {slay drac, rPois rF+ rC+
                  | AC+3}
 45423 | Vaults:5 | Identified the +0 whip of Eternal Vigilance {drain, Will-
                  | Str+2 Stlth+}
 45435 | Vaults:5 | Acquired 1045 gold pieces
 45436 | Vaults:5 | Acquired the amulet of Winter {RegenMP Regen+ rCorr}
 45464 | Vaults:5 | Identified the staff "Waics" {rElec rF- rC++ SInv Air
                  | Earth}
 46015 | Crypt:1  | Entered Level 1 of the Crypt
 46065 | Crypt:1  | Found a magical portal.
 46145 | WizLab   | Entered Doroklohe's Tomb
 46283 | WizLab   | Noticed a royal mummy
 46292 | WizLab   | Killed a royal mummy
 46892 | Crypt:1  | Found a runed translucent gate.
 46892 | Crypt:1  | Found a runed translucent gate.
 46892 | Crypt:1  | Found a runed translucent gate.
 46897 | Crypt:1  | Noticed Osipn's ghost (veteran MiGl)
 46897 | Crypt:1  | Noticed Fainec's ghost (veteran GrEE)
 46993 | Crypt:1  | Found a runed door.
 47035 | Crypt:1  | Noticed an ancient lich
 47049 | Crypt:1  | Killed an ancient lich
 47129 | Crypt:1  | Identified the -2 pair of boots of the Leaping Gods {*Slow
                  | Str+2 Dex+3}
 47131 | Crypt:1  | Got the Volume of Debased Ceremonies
 47132 | Crypt:1  | Identified the ring "Utubli" {^Drain Fly rF+ rN+ Str+5}
 47160 | Crypt:1  | Acquired 1240 gold pieces
 47517 | Crypt:1  | Killed Fainec's ghost
 47518 | Crypt:1  | Reached XP level 24. HP: 202/202 MP: 39/39
 47594 | Crypt:1  | Killed Osipn's ghost
 47942 | Crypt:2  | Identified the +8 great sword of Triumph {venom, *Slow rC++
                  | Str+3 Dex+2}
 48400 | Crypt:3  | Entered Level 3 of the Crypt
 48494 | Crypt:3  | Found a staircase to the Tomb.
 48628 | Crypt:3  | Identified the +8 flail of Cerorol {spect, rElec rN+
                  | Stlth+}
 48894 | Crypt:3  | Found a basalt altar of Yredelemnul.
 49210 | Crypt:3  | Identified the ring "Jatolira" {rN+ Dex+5}
 49210 | Crypt:3  | Identified the ring of the Modern Beds {rN+ Dex+3}
 49210 | Crypt:3  | Identified the ring of Hackym Opef {rF++ rN+}
 49214 | Crypt:3  | Got Sif Muna's Atlas of Evil
 49483 | Crypt:3  | Found a runed translucent gate.
 49484 | Crypt:3  | Found a runed translucent gate.
 49484 | Crypt:3  | Found a runed translucent gate.
 49488 | Crypt:3  | Found the +8 trishula "Condemnation" {holy, anguish, *Noise
                  | Fly rN+}
 49489 | Crypt:3  | Noticed rrossfarrar's ghost (veteran BaFi)
 49509 | Crypt:3  | Killed rrossfarrar's ghost
 49516 | Crypt:3  | Identified the +3 morningstar "Oviuxt" {heavy, Str+3}
 49886 | Depths:1 | Entered Level 1 of the Depths
 50018 | Depths:1 | Bought a twisted helmet for 418 gold pieces
 50018 | Depths:1 | Identified the +0 helmet of Cheibriados's Respect {Harm
                  | MP+9 Str+3 Stlth-} (You bought it in a shop on level 1 of
                  | the Depths)
 50020 | Depths:1 | Bought a twitching tin ring for 190 gold pieces
 50020 | Depths:1 | Identified the ring "Ileir" {Fly Will+} (You bought it in a
                  | shop on level 1 of the Depths)
 50089 | Depths:1 | Found the ring of the Octopus King
 50104 | Depths:1 | Identified a ring of the Octopus King {HP+2 MP+9 AC+2 EV+2
                  | SH+2}
 50275 | Depths:1 | Found a gateway to Hell.
 50331 | Depths:1 | Got the Information on Elliptic Accomplices
 50426 | Depths:1 | Found a radiant altar of Vehumet.
 50490 | Depths:1 | Noticed Norris
 50532 | Depths:1 | Killed Norris
 50539 | Depths:1 | Identified the +7 orcbow of Seazoj {heavy, rF+ Str-4 Int+3
                  | Dex+3}
 50634 | Depths:1 | Gained mutation: You are powered by pain. [demonic
                  | ancestry]
 50634 | Depths:1 | Reached XP level 25. HP: 208/208 MP: 41/41
 50648 | Depths:1 | Found a one-way gate leading to the halls of Pandemonium.
 50777 | Depths:1 | Reached skill level 15 in Spellcasting
 50783 | Depths:1 | Reached skill level 15 in Earth Magic
 50937 | Depths:1 | Found an iron altar of Okawaru.
 51075 | Depths:1 | Found the +3 hat of Pondering {ponderous, Will+ MP+10
                  | Int+5}
 51118 | Depths:1 | Identified the +3 leather armour "Nautax" {Str+4 Int-4
                  | Dex+3 Stlth+}
 51141 | Depths:1 | Identified the +1 ring mail of the Orb Guardian {rPois}
 51412 | Depths:2 | Noticed a juggernaut
 51420 | Depths:2 | Killed a juggernaut
 51425 | Depths:2 | Noticed a juggernaut
 51441 | Depths:2 | Killed a juggernaut
 51622 | Depths:2 | Identified the ring "Afrel" {Fly rPois rC- Int-5 SInv}
 51652 | Depths:2 | Identified the +3 glaive "Gyrgh" {freeze, rC++ rCorr}
 51653 | Depths:2 | Identified the staff of Zymno {rF+ Will+ Int-3 Hexes Fire}
 51902 | Depths:2 | Found a runed translucent door.
 52200 | Depths:2 | Noticed Zeph's ghost (adept NaFi)
 52204 | Depths:2 | Found a one-way gate to the infinite horrors of the Abyss.
 52226 | Depths:2 | Killed Zeph's ghost
 52353 | Hell     | Entered the Vestibule of Hell
 52353 | Hell     | Noticed Geryon
 52662 | Depths:3 | Noticed a juggernaut
 52678 | Depths:3 | Killed a juggernaut
 52973 | Depths:3 | Found a one-way gateway to a ziggurat.
 53425 | Depths:4 | Entered Level 4 of the Depths
 53628 | Depths:4 | Reached XP level 26. HP: 218/218 MP: 41/43
 53647 | Depths:4 | Found a gate to the Realm of Zot.
 53846 | Depths:4 | Found Xuttaama's Serpentskin Sales.
 54221 | Depths:4 | Found a portal to a secret trove of treasure.
 54445 | Depths:4 | You paid a toll of a +4 demon trident to enter a treasure
                  | trove
 54446 | Trove    | Entered a treasure trove
 54713 | Depths:3 | Voluntarily entered the Abyss.
 54968 | Abyss:2  | Learned a level 2 spell: Lesser Beckoning
 55271 | Abyss:2  | Found a corrupted altar of Lugonu.
 55841 | Abyss:3  | Found a corrupted altar of Lugonu.
 56123 | Abyss:4  | Found a corrupted altar of Lugonu.
 56466 | Abyss:5  | Paralysed by accursed screaming for 1 turns
 56470 | Abyss:5  | Paralysed by accursed screaming for 1 turns
 56590 | Abyss:5  | Gained mutation: You can hurl damnation. [demonic ancestry]
 56590 | Abyss:5  | Reached XP level 27. HP: 215/228 MP: 44/44
 56613 | Abyss:5  | Got an abyssal rune of Zot
 56633 | Depths:3 | Escaped the Abyss
 56648 | Depths:3 | Learned a level 9 spell: Shatter
 57009 | Slime:1  | Entered Level 1 of the Pits of Slime
 57180 | Slime:2  | Noticed Dissolution
 57190 | Slime:2  | Killed Dissolution
 58728 | Slime:4  | Gained mutation: Your spells are a little easier to cast,
                  | but a little less powerful. [a shining eye]
 58759 | Slime:3  | Gained mutation: You are weak. (Str -2) [a shining eye]
 58762 | Slime:3  | Gained mutation: You are very weak. (Str -4) [a shining
                  | eye]
 58927 | Slime:4  | Reached skill level 15 in Dodging
 59276 | Slime:5  | Entered Level 5 of the Pits of Slime
 59361 | Slime:5  | Noticed the Royal Jelly
 59370 | Slime:5  | Killed the Royal Jelly
 59465 | Slime:5  | Got a slimy rune of Zot
 59468 | Slime:5  | Identified the ring "Yriwk" {Ice *Corrode rElec rPois MP+9}
 59511 | Slime:5  | Identified the ring "Tumniastrakh" {Ice Str+2 Stlth+}
 59513 | Slime:5  | Identified the staff of Vanity {+Blink rPois rN+ SInv
                  | Necro}
 59535 | Slime:5  | Identified the +8 battleaxe of Ajuheile {venom, ^Fragile
                  | MP+9 Str+7 Stlth+}
 59538 | Slime:5  | Identified the +0 plate armour of Mordant Amelioration
                  | {Harm rElec Int-5}
 60940 | Depths:1 | Bought a scroll of fog for 180 gold pieces
 60940 | Depths:1 | Bought a potion of curing for 135 gold pieces
 60940 | Depths:1 | Bought a potion of haste for 450 gold pieces
 60940 | Depths:1 | Bought a scroll of fear for 180 gold pieces
 60942 | Depths:1 | Bought a potion of curing for 36 gold pieces
 60942 | Depths:1 | Bought a potion of curing for 36 gold pieces
 60942 | Depths:1 | Bought a potion of curing for 36 gold pieces
 60942 | Depths:1 | Bought a potion of might for 48 gold pieces
 60942 | Depths:1 | Bought 2 potions of attraction for 72 gold pieces
 60942 | Depths:1 | Bought a potion of mutation for 96 gold pieces
 60978 | Pan      | Entered Pandemonium
 61126 | Pan      | Noticed Sankaah the pandemonium lord
 61229 | Pan      | Killed Sankaah the pandemonium lord
 62089 | Pan      | Noticed Oxtofup the pandemonium lord
 62106 | Pan      | Killed Oxtofup the pandemonium lord
 62293 | Pan      | Learned a level 8 spell: Lehudib's Crystal Spear
 62375 | Pan      | Reached skill level 1 in Conjurations
 63089 | Pan      | Entered the realm of Gloorx Vloq.
 63090 | Pan      | Noticed Gloorx Vloq
 63496 | Pan      | Reached skill level 5 in Conjurations
 63747 | Pan      | Killed Gloorx Vloq
 63776 | Pan      | Got a dark rune of Zot
 63885 | Pan      | Identified the +4 chain mail of the Ego {Rampage}
 64719 | Pan      | Gained mutation: Your health recovers twice as slowly from
                  | being drained. [a cacodemon]
 64720 | Pan      | Gained mutation: You are clumsy. (Dex -2) [a cacodemon]
 64820 | Pan      | Gained mutation: You are vulnerable to heat. (rF-) [a
                  | cacodemon]
 64851 | Pan      | Reached skill level 10 in Conjurations
 64944 | Pan      | Noticed Kymameut the pandemonium lord
 64981 | Pan      | Killed Kymameut the pandemonium lord
 65334 | Pan      | Gained mutation: You occasionally lose the ability to read
                  | scrolls when taking damage. [a cacodemon]
 65343 | Pan      | Gained mutation: You occasionally shout uncontrollably at
                  | your foes. [a cacodemon]
 65354 | Pan      | Lost mutation: You are clumsy. (Dex -2) [potion of
                  | mutation]
 65354 | Pan      | Lost mutation: You occasionally lose the ability to read
                  | scrolls when taking damage. [potion of mutation]
 65354 | Pan      | Lost mutation: You are very weak. (Str -4) [potion of
                  | mutation]
 65661 | Pan      | Entered the realm of Cerebov.
 66295 | Pan      | Identified the +7 chain mail "Imecle Takash" {rPois rN+
                  | Int-3}
 66312 | Pan      | Identified the +4 mace of Jeatra {speed, Str+7 Dex+2}
 66313 | Pan      | Identified the amulet "Cieph" {Reflect +Blink rPois SH+5}
 66331 | Pan      | Identified the +4 trident "Eheorut" {flame, *Slow Will+
                  | rCorr}
 66376 | Pan      | Identified the +0 chain mail of Wonder {+Inv rElec Str+3}
 66443 | Pan      | Found the +6 sword of Cerebov {flame}
 66443 | Pan      | Noticed Cerebov
 66940 | Pan      | Killed Cerebov
 67065 | Pan      | Identified the +1 shortbow "Uzorphob" {speed, Str+3}
 67080 | Pan      | Identified the +3 hand axe of Cowardice {freeze, rC+ Int+2
                  | Dex+2}
 67088 | Pan      | Identified the +1 ring mail of the Gusle {Str+3}
 67090 | Pan      | Got a fiery rune of Zot
 67092 | Pan      | Got the Omnibus of Gusts and Reagents
 67275 | Pan      | Found a transporter.
 67693 | Pan      | Found a transporter.
 67752 | Pan      | Lost mutation: Your spells are a little easier to cast, but
                  | a little less powerful. [mutagenic glow]
 67757 | Pan      | Identified the ring "Ruvetzukh" {rElec rN+ Str+6}
 67769 | Pan      | Identified the ring "Elaaw" {rN+ Int+6}
 67850 | Pan      | Found an exit through the horrors of the Abyss.
 67929 | Pan      | Noticed Uwabic the pandemonium lord
 67960 | Pan      | Killed Uwabic the pandemonium lord
 68860 | Pan      | Learned a level 2 spell: Blink
 68870 | Pan      | Learned a level 9 spell: Polar Vortex
 68871 | Pan      | Found an exit through the horrors of the Abyss.
 68873 | Pan      | Gained mutation: Potions are less effective at restoring
                  | your health. [a cacodemon]
 68999 | Pan      | Noticed Itil the pandemonium lord
 69134 | Pan      | Killed Itil the pandemonium lord
 69255 | Pan      | Gained mutation: You are clumsy. (Dex -2) [a neqoxec]
 69894 | Pan      | Reached skill level 10 in Ice Magic
 69974 | Pan      | Noticed Nyujuu the pandemonium lord
 69985 | Pan      | Killed Nyujuu the pandemonium lord
 70209 | Pan      | Found an exit through the horrors of the Abyss.
 70390 | Pan      | Gained mutation: Your magical capacity is low. (-10% MP) [a
                  | neqoxec]
 70559 | Pan      | Gained mutation: You frequently scream uncontrollably at
                  | your foes. [a neqoxec]
 70846 | Pan      | Entered the realm of Mnoleg.
 70889 | Pan      | Gained mutation: You sometimes lose your temper in combat.
                  | [mutagenic glow]
 70931 | Pan      | Gained mutation: Your magical capacity is very low. (-20%
                  | MP) [a cacodemon]
 70956 | Pan      | Lost mutation: You have sharp toenails. [potion of
                  | mutation]
 70956 | Pan      | Lost mutation: You are clumsy. (Dex -2) [potion of
                  | mutation]
 70956 | Pan      | Gained mutation: You are vulnerable to cold. (rC-) [potion
                  | of mutation]
 70957 | Pan      | Lost mutation: You are vulnerable to heat. (rF-) [potion of
                  | mutation]
 70957 | Pan      | Lost mutation: You sometimes lose your temper in combat.
                  | [potion of mutation]
 70957 | Pan      | Gained mutation: Your magical capacity is extremely low.
                  | (-30% MP) [potion of mutation]
 71008 | Pan      | Noticed Mnoleg
 71013 | Pan      | Gained mutation: You are dopey. (Int -2) [a neqoxec]
 71025 | Pan      | Gained mutation: Your body sometimes deteriorates upon
                  | taking damage. [a shining eye]
 71033 | Pan      | Killed Mnoleg
 71053 | Pan      | Gained mutation: You are frail. (-10% HP) [a cacodemon]
 71067 | Pan      | Gained mutation: You occasionally lose the ability to drink
                  | potions when taking damage. [a neqoxec]
 71089 | Pan      | Gained mutation: You do not regenerate when monsters are
                  | visible. [a cacodemon]
 71152 | Pan      | Gained mutation: Armour fits poorly on your strangely
                  | shaped body. [a cacodemon]
 71287 | Pan      | Gained mutation: You sometimes lose the ability to drink
                  | potions when taking damage. [a neqoxec]
 71339 | Pan      | Gained mutation: You are very dopey. (Int -4) [a neqoxec]
 71355 | Pan      | Got a glowing rune of Zot
 71507 | Pan      | Lost mutation: Your magical capacity is extremely low.
                  | (-30% MP) [potion of mutation]
 71507 | Pan      | Lost mutation: Your system is resistant to poisons. (rPois)
                  | [potion of mutation]
 71507 | Pan      | Lost mutation: Your health recovers twice as slowly from
                  | being drained. [potion of mutation]
 71507 | Pan      | Lost mutation: You sometimes lose the ability to drink
                  | potions when taking damage. [potion of mutation]
 71508 | Pan      | Lost mutation: Your body sometimes deteriorates upon taking
                  | damage. [potion of mutation]
 71508 | Pan      | Lost mutation: Your magical capacity is very low. (-20% MP)
                  | [potion of mutation]
 71508 | Pan      | Lost mutation: You are partially covered in large bone
                  | plates. (SH +4) [potion of mutation]
 71508 | Pan      | Lost mutation: You are frail. (-10% HP) [potion of
                  | mutation]
 71511 | Pan      | Noticed Mennas
 71556 | Pan      | Lost mutation: You occasionally lose the ability to drink
                  | potions when taking damage. [potion of mutation]
 71556 | Pan      | Lost mutation: You are vulnerable to cold. (rC-) [potion of
                  | mutation]
 71556 | Pan      | Lost mutation: Your magical capacity is low. (-10% MP)
                  | [potion of mutation]
 71556 | Pan      | Lost mutation: You are very dopey. (Int -4) [potion of
                  | mutation]
 71557 | Pan      | Lost mutation: Armour fits poorly on your strangely shaped
                  | body. [potion of mutation]
 71557 | Pan      | Lost mutation: You do not regenerate when monsters are
                  | visible. [potion of mutation]
 71557 | Pan      | Lost mutation: You are weak. (Str -2) [potion of mutation]
 71564 | Pan      | Gained mutation: You have hidden genetic defects. [a
                  | cacodemon]
 71771 | Pan      | Killed Mennas
 71940 | Pan      | Identified the +1 plate armour "Dizoupp" {+Blink rF+ Str-5
                  | Stlth+}
 71964 | Pan      | Got a demonic rune of Zot
 72327 | Pan      | Reached skill level 15 in Ice Magic
 72567 | Pan      | Noticed Toiph the pandemonium lord
 72582 | Pan      | Killed Toiph the pandemonium lord
 72603 | Pan      | Gained mutation: You are very dopey. (Int -4) [hidden
                  | defects]
 73829 | Pan      | Found an exit through the horrors of the Abyss.
 73975 | Pan      | Gained mutation: You occasionally lose the ability to drink
                  | potions when taking damage. [hidden defects]
 73975 | Pan      | Lost mutation: You have hidden genetic defects. [hidden
                  | defects expressed]
 73985 | Pan      | Lost mutation: You occasionally lose the ability to drink
                  | potions when taking damage. [potion of mutation]
 73985 | Pan      | Lost mutation: You frequently scream uncontrollably at your
                  | foes. [potion of mutation]
 73985 | Pan      | Gained mutation: You have a beak for a mouth. [potion of
                  | mutation]
 73985 | Pan      | Lost mutation: You are very dopey. (Int -4) [potion of
                  | mutation]
 73985 | Pan      | Gained mutation: You have large cloven feet. [potion of
                  | mutation]
 74170 | Pan      | Noticed Ymadoliv the pandemonium lord
 74184 | Pan      | Killed Ymadoliv the pandemonium lord
 75015 | Pan      | Found an exit through the horrors of the Abyss.
 75215 | Pan      | Noticed Meshaon the pandemonium lord
 75233 | Pan      | Killed Meshaon the pandemonium lord
 75513 | Pan      | Found an exit through the horrors of the Abyss.
 75626 | Pan      | Acquired 1002 gold pieces
 76125 | Pan      | Noticed Qidizow the pandemonium lord
 76129 | Pan      | Killed Qidizow the pandemonium lord
 76407 | Pan      | Found an exit through the horrors of the Abyss.
 77040 | Pan      | Entered the realm of Lom Lobon.
 77216 | Pan      | Identified the +0 robe of Oblivion {rC+ Regen+ Stlth+}
 77656 | Pan      | Got a magical rune of Zot
 77932 | Pan      | Noticed Lom Lobon
 77946 | Pan      | Noticed Uxkuxkaa the pandemonium lord
 78212 | Pan      | Noticed Lom Lobon
 78331 | Pan      | Paralysed by you for 1 turns
 78628 | Pan      | Found an exit through the horrors of the Abyss.
 78633 | Pan      | Got Sif Muna's Elucidation of the Energetic Catacomb
 78639 | Pan      | Took an exit into the Abyss.
 78639 | Abyss:5  | Escaped into the Abyss
 78648 | Depths:1 | Escaped the Abyss
 78948 | Hell     | Killed Geryon
 79190 | Hell     | Found a gateway to the Iron City of Dis.
 79269 | Hell     | Found a gateway to the ashen valley of Gehenna.
 79333 | Hell     | Found a gateway to the decaying netherworld of Tartarus.
 79468 | Depths:1 | Bought a potion of resistance for 190 gold pieces
 79468 | Depths:1 | Bought a scroll of teleportation for 57 gold pieces
 79511 | Hell     | Found a gateway to the freezing wastes of Cocytus.
 79571 | Geh:1    | Entered Level 1 of Gehenna
 80008 | Geh:2    | Lost mutation: You have large cloven feet. [potion of
                  | mutation]
 80008 | Geh:2    | Lost mutation: Potions are less effective at restoring your
                  | health. [potion of mutation]
 80008 | Geh:2    | Gained mutation: You are weak. (Str -2) [potion of
                  | mutation]
 80008 | Geh:2    | Gained mutation: You are partially covered in large bone
                  | plates. (SH +4) [potion of mutation]
 80008 | Geh:2    | Gained mutation: You are robust. (+10% HP) [potion of
                  | mutation]
 80009 | Geh:2    | Lost mutation: You have a beak for a mouth. [potion of
                  | mutation]
 80009 | Geh:2    | Lost mutation: You are dopey. (Int -2) [potion of mutation]
 80009 | Geh:2    | Gained mutation: Your movements are slightly less
                  | encumbered by armour. (ER -2) [potion of mutation]
 80009 | Geh:2    | Gained mutation: You passively map a small area around you.
                  | [potion of mutation]
 80009 | Geh:2    | Gained mutation: Your health recovers twice as slowly from
                  | being drained. [potion of mutation]
 80009 | Geh:2    | Gained mutation: You passively map the area around you.
                  | [potion of mutation]
 80960 | Geh:5    | You fall into a shaft and drop 1 floor!
 81072 | Geh:6    | Lost mutation: You are weak. (Str -2) [potion of mutation]
 81072 | Geh:6    | Lost mutation: You are partially covered in large bone
                  | plates. (SH +4) [potion of mutation]
 81072 | Geh:6    | Lost mutation: You passively map the area around you.
                  | [potion of mutation]
 81072 | Geh:6    | Gained mutation: You have a pair of small horns on your
                  | head. [potion of mutation]
 81073 | Geh:6    | Lost mutation: You are robust. (+10% HP) [potion of
                  | mutation]
 81073 | Geh:6    | Lost mutation: Your health recovers twice as slowly from
                  | being drained. [potion of mutation]
 81073 | Geh:6    | Gained mutation: You are robust. (+10% HP) [potion of
                  | mutation]
 81073 | Geh:6    | Gained mutation: Your body sometimes deteriorates upon
                  | taking damage. [potion of mutation]
 81074 | Geh:6    | Lost mutation: You have a pair of small horns on your head.
                  | [potion of mutation]
 81074 | Geh:6    | Lost mutation: Your body sometimes deteriorates upon taking
                  | damage. [potion of mutation]
 81074 | Geh:6    | Lost mutation: You are robust. (+10% HP) [potion of
                  | mutation]
 81074 | Geh:6    | Gained mutation: Your mind is acute. (Int +4, Str/Dex -1)
                  | [potion of mutation]
 81074 | Geh:6    | Gained mutation: Your mind is very acute. (Int +8, Str/Dex
                  | -2) [potion of mutation]
 81074 | Geh:6    | Gained mutation: Your muscles are strong. (Str +4, Int/Dex
                  | -1) [potion of mutation]
 81248 | Geh:7    | Entered Level 7 of Gehenna
 82352 | Geh:7    | Identified the staff "Hydraslayer" {rF+ rN+ Int+5 Necro}
 82361 | Geh:7    | Identified the +9 morningstar of Temperance {chaos, *Noise
                  | rPois rF+ Will++}
 82366 | Geh:7    | Identified the +2 spear of Terra Cotta {protect, rCorr}
 82374 | Geh:7    | Identified the ring of Qetuth {rElec rCorr}
 82382 | Geh:7    | Identified the +9 battleaxe of Gierokk {flame, Str+4}
 82516 | Geh:7    | Found the +13 sceptre of Asmodeus
 82516 | Geh:7    | Noticed Asmodeus
 82530 | Geh:7    | Killed Asmodeus
 82575 | Geh:7    | Got an obsidian rune of Zot
 82728 | Dis:1    | Entered Level 1 of the Iron City of Dis
 83205 | Tar:1    | Entered Level 1 of Tartarus
 83410 | Tar:1    | Noticed an ancient lich
 83410 | Tar:1    | Noticed a dread lich
 83410 | Tar:1    | Noticed an ancient lich
 83410 | Tar:1    | Noticed an ancient lich
 83411 | Tar:1    | Noticed a dread lich
 83412 | Tar:1    | Killed a dread lich
 83412 | Tar:1    | Noticed an ancient lich
 83413 | Tar:1    | Killed an ancient lich
 83413 | Tar:1    | Killed an ancient lich
 83413 | Tar:1    | Killed an ancient lich
 83414 | Tar:1    | Killed a dread lich
 83414 | Tar:1    | Killed an ancient lich
 83414 | Tar:1    | Noticed a dread lich
 83419 | Tar:1    | Killed a dread lich
 83894 | Tar:2    | You fall into a shaft and drop 1 floor!
 84470 | Coc:1    | Entered Level 1 of Cocytus
 84515 | Depths:1 | Bought the ring of Optimism {Ice Int+5} for 935 gold pieces
 84812 | Coc:2    | Learned a level 8 spell: Ignition
 84831 | Coc:2    | Noticed a dread lich
 84838 | Coc:2    | Killed a dread lich
 85114 | Coc:3    | Reached skill level 27 in Spellcasting
 85253 | Coc:4    | Reached skill level 10 in Evocations
 85511 | Coc:5    | Paralysed by a wendigo for 1 turns
 86124 | Coc:7    | Entered Level 7 of Cocytus
 86156 | Coc:7    | Reached skill level 15 in Evocations
 86346 | Coc:7    | Paralysed by a wendigo for 1 turns
 86587 | Coc:7    | Got an icy rune of Zot
 86589 | Coc:7    | Noticed Antaeus
 86603 | Coc:7    | Killed Antaeus
 86738 | Coc:7    | Paralysed by a wendigo for 1 turns
 86740 | Coc:7    | Paralysed by a wendigo for 1 turns
 86785 | Coc:7    | Identified the ring "Lojetu" {rC++ Dex+6}
 86792 | Coc:7    | Identified the staff of Cobwebs {rPois rF- Will+ Conj}
 86793 | Coc:7    | Identified the +0 leather armour "Conamit" {rPois rF+ rCorr
                  | Stlth-}
 88797 | Tar:7    | Entered Level 7 of Tartarus
 88936 | Tar:7    | Noticed a dread lich
 88973 | Tar:7    | Noticed a dread lich
 88974 | Tar:7    | Killed a dread lich
 88981 | Tar:7    | Killed a dread lich
 89146 | Tar:7    | Noticed the Serpent of Hell
 89158 | Tar:7    | Killed the Serpent of Hell
 89226 | Tar:7    | Noticed an ancient lich
 89232 | Tar:7    | Killed an ancient lich
 89242 | Tar:7    | Found the +10 dark maul {heavy}
 89265 | Tar:7    | Identified the +3 dagger "Aghazaon" {flame, rN+}
 89268 | Tar:7    | Identified the +12 glaive of Sin {speed, *Rage rCorr Int+8
                  | SInv}
 89554 | Tar:7    | Noticed Ereshkigal
 89565 | Tar:7    | Killed Ereshkigal
 89596 | Tar:7    | Got a bone rune of Zot
 89921 | Tar:7    | Identified the ring "Hewamor" {Will+ MP+9 Str+3 Slay+4}
 89944 | Tar:7    | Identified the +0 ring mail of Anu Zuq {Fly rC++ Int-2}
 90042 | Tar:7    | Identified the +1 falchion of Innocence {spect, Int+3}
 90045 | Tar:7    | Identified the staff of Dural {Int+3 Stlth+ Earth}
 90512 | Dis:4    | You fall into a shaft and drop 1 floor!
 90525 | Dis:6    | HP: 14/292 [caustic shrike (15)]
 90839 | Dis:7    | Entered Level 7 of the Iron City of Dis
 91809 | Dis:7    | Noticed a juggernaut
 91812 | Dis:7    | Killed a juggernaut
 92143 | Dis:7    | Noticed a juggernaut
 92153 | Dis:7    | Killed a juggernaut
 92642 | Dis:7    | Noticed Dispater
 92651 | Dis:7    | Killed Dispater
 92722 | Dis:7    | Identified the staff "Foaluif" {rF+ Str+2 Dex-3 Necro Fire}
 92725 | Dis:7    | Got an iron rune of Zot
 92726 | Dis:7    | Identified the +0 shortbow of Fury {flame, rC+ Dex+3}
 92809 | Depths:1 | Bought a potion of curing for 66 gold pieces
 92809 | Depths:1 | Bought 2 potions of curing for 132 gold pieces
 92809 | Depths:1 | Bought a potion of heal wounds for 110 gold pieces
 92809 | Depths:1 | Bought a potion of curing for 66 gold pieces
 92809 | Depths:1 | Bought a potion of brilliance for 88 gold pieces
 92809 | Depths:1 | Bought a potion of curing for 66 gold pieces
 92809 | Depths:1 | Bought a potion of curing for 66 gold pieces
 92809 | Depths:1 | Bought a potion of mutation for 176 gold pieces
 92905 | Zig:1    | Entered Level 1 of a ziggurat
 92944 | Zig:2    | Entered Level 2 of a ziggurat
 92963 | Zig:3    | Entered Level 3 of a ziggurat
 92996 | Zig:4    | Entered Level 4 of a ziggurat
 93023 | Zig:5    | Entered Level 5 of a ziggurat
 93052 | Zig:5    | Identified the ring "Adghohiant" {rF- rC+++ rCorr Str+6
                  | Dex-2}
 93068 | Zig:6    | Entered Level 6 of a ziggurat
 93132 | Zig:7    | Entered Level 7 of a ziggurat
 93181 | Zig:7    | Got the Volume of Molten Support
 93182 | Zig:7    | Identified the +7 whip "Zoulyim" {freeze, rF+}
 93186 | Zig:8    | Entered Level 8 of a ziggurat
 93258 | Zig:9    | Entered Level 9 of a ziggurat
 93266 | Zig:9    | Found the +12 glaive of Prune {freeze, Prune}
 93324 | Zig:9    | Identified the staff of the World {rN+ Will+ Air Earth}
 93327 | Zig:9    | Identified the ring of Taeshruwn {rElec Will+ SInv}
 93329 | Zig:9    | Identified the ring "Wicotyoch" {Dex+6 Stlth+}
 93345 | Zig:9    | Identified the +5 ring mail of Fedhas's Scorn {Fly rPois
                  | rF++ Will-}
 93349 | Zig:10   | Entered Level 10 of a ziggurat
 93429 | Zig:10   | Identified the ring "Xirel" {Fly rElec rPois rC+ Int-5}
 93433 | Zig:10   | Got the Directory of Fiery Snow
 93441 | Zig:10   | Identified the ring of a Hundred Coins {Wiz rN+ Dex+2}
 93452 | Zig:11   | Entered Level 11 of a ziggurat
 93528 | Zig:11   | Identified the amulet "Leyfuoxi" {RegenMP rElec rF- MP+9
                  | SInv}
 93533 | Zig:11   | Identified the +0 helmet of Panentheism {-Tele +Inv rF+
                  | Will+}
 93538 | Zig:12   | Entered Level 12 of a ziggurat
 93550 | Zig:12   | Noticed Pagapt's ghost (legendary HOMo)
 93551 | Zig:12   | Noticed Wuziru's ghost (legendary GrEE)
 93553 | Zig:12   | Found the +8 longbow "Zephyr" {speed, Dex+3 SInv}
 93561 | Zig:12   | Killed Pagapt's ghost
 93563 | Zig:12   | Killed Wuziru's ghost
 93564 | Zig:12   | Found the +7 captain's cutlass {speed, disarm}
 93628 | Zig:12   | Identified the ring of Tanwisasch {Ice rPois MP+9}
 93644 | Zig:12   | Identified the +3 short sword "Ucosoix" {flame, *Rage rF-
                  | rCorr SInv}
 93649 | Zig:13   | Entered Level 13 of a ziggurat
 93661 | Zig:13   | Noticed an ancient lich
 93664 | Zig:13   | Killed an ancient lich
 93795 | Zig:14   | Entered Level 14 of a ziggurat
 93808 | Zig:14   | Noticed an ancient lich
 93808 | Zig:14   | Noticed a dread lich
 93811 | Zig:14   | Killed an ancient lich
 93811 | Zig:14   | Killed a dread lich
 93887 | Zig:14   | Identified the ring "Sofeih Wenu" {rElec rF+ rN+ Int-4
                  | Dex+3}
 93899 | Zig:14   | Acquired 393 gold pieces
 93904 | Zig:14   | Identified the +4 dagger of the Twisting Hawk {freeze,
                  | Int+4}
 93914 | Zig:15   | Entered Level 15 of a ziggurat
 93928 | Zig:15   | Noticed a dread lich
 93929 | Zig:15   | Noticed an ancient lich
 93930 | Zig:15   | Noticed a dread lich
 93931 | Zig:15   | Killed a dread lich
 93932 | Zig:15   | Killed a dread lich
 93932 | Zig:15   | Killed an ancient lich
 93966 | Zig:15   | Identified the +0 long sword "Dapliunn" {heavy, rElec Str-3
                  | Dex+5 Stlth-}
 94003 | Zig:15   | Identified the +8 morningstar of Symmetry {spect, Will+}
 94004 | Zig:15   | Identified the ring "Pathylec" {*Slow rElec rPois AC+4
                  | Int+6}
 94006 | Zig:15   | Identified the +10 dagger of the Eternal Warrior {flame,
                  | rPois rN+ SInv}
 94025 | Zig:16   | Entered Level 16 of a ziggurat
 94034 | Zig:16   | Noticed a royal mummy
 94035 | Zig:16   | Noticed a royal mummy
 94035 | Zig:16   | Noticed a royal mummy
 94038 | Zig:16   | Killed a royal mummy
 94038 | Zig:16   | Killed a royal mummy
 94039 | Zig:16   | Noticed a royal mummy
 94041 | Zig:16   | Killed a royal mummy
 94044 | Zig:16   | Reached skill level 27 in Fighting
 94044 | Zig:16   | Killed a royal mummy
 94207 | Zig:16   | Got the Vademecum on Frostbite and the Sky
 94208 | Zig:16   | Identified the +0 ring mail of Moestek {Regen+}
 94209 | Zig:16   | Identified the staff of Trial by Ordeal {+Blink rPois Dex-5
                  | Stlth+ Earth}
 94213 | Zig:16   | Identified the +7 hand axe of the Genius {flame, Fly Will-
                  | Int+2 Dex+3}
 94225 | Zig:17   | Entered Level 17 of a ziggurat
 94384 | Zig:17   | Identified the amulet of Kisik {Acrobat MP+9 Str-3 Dex+4
                  | SInv}
 94386 | Zig:17   | Identified the ring "Zeupperu" {rF+ rC+++ rN+ Will- rCorr}
 94392 | Zig:17   | Identified the ring of Descent {rPois rN+ MP+9 Dex+3}
 94410 | Zig:17   | Identified the +10 hand axe "Secret Weapon" {drain, Int+5}
 94415 | Zig:18   | Entered Level 18 of a ziggurat
 94427 | Zig:18   | Noticed a dread lich
 94428 | Zig:18   | Noticed an ancient lich
 94428 | Zig:18   | Noticed a dread lich
 94429 | Zig:18   | Killed an ancient lich
 94429 | Zig:18   | Noticed an ancient lich
 94430 | Zig:18   | Noticed a dread lich
 94430 | Zig:18   | Killed a dread lich
 94431 | Zig:18   | Killed a dread lich
 94431 | Zig:18   | Killed an ancient lich
 94431 | Zig:18   | Noticed a dread lich
 94433 | Zig:18   | Noticed an ancient lich
 94433 | Zig:18   | Killed a dread lich
 94435 | Zig:18   | Killed an ancient lich
 94435 | Zig:18   | Killed a dread lich
 94522 | Zig:18   | Identified the amulet of Teuptoas {Acrobat *Corrode +Blink
                  | rC+ Dex+2}
 94525 | Zig:18   | Identified the +1 leather armour "Uvaag" {rPois Int+3
                  | Slay+3}
 94526 | Zig:18   | Identified the +0 ring mail of Refuge {rC+ Will+ Int+2}
 94529 | Zig:19   | Entered Level 19 of a ziggurat
 94575 | Zig:19   | Found the necklace of Bloodlust {Fury *Rage Will++ Int-3
                  | Slay+6}
 94683 | Zig:19   | Acquired 528 gold pieces
 94690 | Zig:19   | Identified the +0 plate armour of the First Beggars {Regen+
                  | Int+3}
 94692 | Zig:19   | Identified the staff "Niegamn" {rF+ Str+5 Dex-3 Hexes Fire
                  | Earth}
 94693 | Zig:19   | Identified the +8 trident "Meyb" {venom, Int-3 Dex+3}
 94768 | Zig:20   | Entered Level 20 of a ziggurat
 94796 | Zig:20   | Found the +7 Spriggan's Knife {stab, EV+4 Stlth+}
 94958 | Zig:20   | Identified the ring of Myrphum {rN+ Str+3}
 94967 | Zig:21   | Entered Level 21 of a ziggurat
 95075 | Zig:21   | Identified the +6 scale mail "Jaoteot" {Fly rC++ SInv}
 95094 | Zig:21   | Identified the +2 mace "Newtslayer" {freeze, *Rage Will+
                  | Stlth+}
 95104 | Zig:22   | Entered Level 22 of a ziggurat
 95220 | Zig:22   | Found the +8 pair of quick blades "Gyre" and "Gimble"
                  | {protect}
 95237 | Zig:22   | Identified the +0 helmet "Yfouhit" {Str+3}
 95243 | Zig:22   | Identified the ring "Fixtiewu" {EV+5 Str-5 Slay+2 Stlth+}
 95253 | Zig:22   | Identified the +1 robe of Bad Feelings {rElec rPois Will-
                  | Stlth+}
 95258 | Zig:22   | Identified the +6 long sword "Dahe" {pain, rC+ Str+2 Dex-3}
 95264 | Zig:22   | Identified the +6 mace of Axiras {freeze, rF+ Str+2}
 95267 | Zig:23   | Entered Level 23 of a ziggurat
 95290 | Zig:23   | Noticed a royal mummy
 95290 | Zig:23   | Noticed a royal mummy
 95290 | Zig:23   | Noticed a royal mummy
 95290 | Zig:23   | Noticed a royal mummy
 95290 | Zig:23   | Noticed a royal mummy
 95293 | Zig:23   | Noticed a royal mummy
 95294 | Zig:23   | Killed a royal mummy
 95294 | Zig:23   | Killed a royal mummy
 95295 | Zig:23   | Killed a royal mummy
 95295 | Zig:23   | Killed a royal mummy
 95295 | Zig:23   | Killed a royal mummy
 95295 | Zig:23   | Noticed a royal mummy
 95296 | Zig:23   | Killed a royal mummy
 95296 | Zig:23   | Noticed a royal mummy
 95296 | Zig:23   | Noticed a royal mummy
 95298 | Zig:23   | Noticed a royal mummy
 95299 | Zig:23   | Killed a royal mummy
 95301 | Zig:23   | Noticed a royal mummy
 95302 | Zig:23   | Killed a royal mummy
 95302 | Zig:23   | Killed a royal mummy
 95312 | Zig:23   | Killed a royal mummy
 95314 | Zig:23   | Killed a royal mummy
 95543 | Zig:23   | Identified the ring "Gefim" {Ice Dex+2}
 95556 | Zig:23   | Identified the ring of Winter {rPois rN+ Will+ MP+9 Stlth-}
 95557 | Zig:23   | Identified the +4 scale mail of Grace {rPois Int-5 Dex+2}
 95563 | Zig:24   | Entered Level 24 of a ziggurat
 95747 | Zig:24   | Identified the +10 spear of Zagri {freeze, Dex+3}
 95751 | Zig:25   | Entered Level 25 of a ziggurat
 95765 | Zig:25   | Noticed an ancient lich
 95772 | Zig:25   | Killed an ancient lich
 95984 | Zig:25   | Got the Grimoire of the Nocuous Door
 95995 | Zig:25   | Identified the +11 quarterstaff of Bile {heavy, *Corrode
                  | rElec rN+ SInv}
 95998 | Zig:25   | Identified the +0 plate armour of Tenacity {-Cast rPois
                  | rN+}
 96012 | Zig:25   | Identified the +0 mace of the Trees {freeze, rC+ Str+4}
 96015 | Zig:26   | Entered Level 26 of a ziggurat
 96254 | Zig:26   | Found the +9 sword of Zonguldrok {reap}
 96257 | Zig:26   | Identified the ring of Garphug {Fly Int+3 Dex+2}
 96258 | Zig:26   | Identified the +0 pair of boots of Kuolas {rCorr Str+3}
 96260 | Zig:26   | Identified the ring of Maumakhlache {rPois SInv}
 96266 | Zig:26   | Identified the +0 leather armour of Complete Protection
                  | {Will+}
 96267 | Zig:26   | Identified the +1 helmet "Fughomez" {MP+9 Str+7}
 96268 | Zig:26   | Identified the staff of the Desolation of Salt {rF+++ rC+
                  | Str-5 Int+4 Conj Necro}
 96271 | Zig:26   | Identified the ring "Wedua" {rF+ Str+6}
 96300 | Zig:26   | Identified the +4 war axe "Karghaid" {freeze, Dex+3}
 96303 | Zig:26   | Identified the +3 ring mail "Viklyps" {rElec rPois rC++
                  | Int-5}
 96307 | Zig:26   | Identified the +0 mace of Gizag {holy, rPois rF+ Dex+3}
 96312 | Zig:27   | Entered Level 27 of a ziggurat
 96329 | Zig:27   | Noticed an ancient lich
 96330 | Zig:27   | Noticed a dread lich
 96331 | Zig:27   | Noticed a dread lich
 96331 | Zig:27   | Noticed an ancient lich
 96332 | Zig:27   | Killed an ancient lich
 96332 | Zig:27   | Killed a dread lich
 96332 | Zig:27   | Killed a dread lich
 96335 | Zig:27   | Noticed a dread lich
 96337 | Zig:27   | Noticed a dread lich
 96338 | Zig:27   | Killed a dread lich
 96338 | Zig:27   | Killed an ancient lich
 96338 | Zig:27   | Noticed a dread lich
 96339 | Zig:27   | Noticed a dread lich
 96340 | Zig:27   | Killed a dread lich
 96341 | Zig:27   | Noticed a dread lich
 96342 | Zig:27   | Killed a dread lich
 96346 | Zig:27   | Killed a dread lich
 96346 | Zig:27   | Killed a dread lich
 96449 | Zig:27   | Identified the +0 buckler of the Lost Geomancers {Int+9}
 96461 | Zig:27   | Identified the +1 cloak of Hubris {rN+}
 96472 | Zig:27   | Identified the +2 pair of boots of the Sun {rPois Will+
                  | Str+3}
 96473 | Zig:27   | Identified the +3 chain mail of the Flute {Int+3 Dex+3
                  | Slay-2}
 96705 | Depths:3 | Bought a translucent scale mail for 351 gold pieces
 96705 | Depths:3 | Identified the +4 scale mail "Huucw" {rPois} (You bought it
                  | in a shop on level 3 of the Depths)
 96705 | Depths:3 | Bought a pair of dazzling boots for 370 gold pieces
 96705 | Depths:3 | Identified the +1 pair of boots "Cuisod" {rElec rF+} (You
                  | bought it in a shop on level 3 of the Depths)
 96709 | Zig:1    | Entered Level 1 of a ziggurat
 96709 | Zig:1    | Noticed Ovayttiz the pandemonium lord
 96717 | Zig:1    | Killed Ovayttiz the pandemonium lord
 96729 | Zig:2    | Entered Level 2 of a ziggurat
 96749 | Zig:3    | Entered Level 3 of a ziggurat
 96772 | Zig:3    | Identified the +0 robe of the Fisher {Harm rF- Str+3}
 96774 | Zig:4    | Entered Level 4 of a ziggurat
 96820 | Zig:4    | Identified the +3 ring mail of Words of Power {rF++ rN+
                  | Dex+2}
 96833 | Zig:5    | Entered Level 5 of a ziggurat
 96876 | Zig:6    | Entered Level 6 of a ziggurat
 96886 | Zig:6    | Reached skill level 27 in Shields
 96912 | Zig:6    | Identified the ring "Inac" {Ice rPois}
 96926 | Zig:6    | Identified the staff of Courage {^Fragile rC+ rN+ Ice
                  | Earth}
 96932 | Zig:7    | Entered Level 7 of a ziggurat
 96939 | Zig:7    | Noticed Macomn the pandemonium lord
 96943 | Zig:7    | Killed Macomn the pandemonium lord
 96994 | Zig:8    | Entered Level 8 of a ziggurat
 97002 | Zig:8    | Noticed Veozog the pandemonium lord
 97006 | Zig:8    | Killed Veozog the pandemonium lord
 97007 | Zig:8    | Reached skill level 27 in Dodging
 97065 | Zig:9    | Entered Level 9 of a ziggurat
 97071 | Zig:9    | Noticed Woereito the pandemonium lord
 97078 | Zig:9    | Killed Woereito the pandemonium lord
 97145 | Zig:9    | Reached skill level 5 in Armour
 97153 | Zig:9    | Identified the staff "Widowermaker" {rPois rCorr Alchemy}
 97156 | Zig:10   | Entered Level 10 of a ziggurat
 97227 | Zig:10   | Identified the +4 rapier of Purpose {freeze, rPois Str+3}
 97229 | Zig:11   | Entered Level 11 of a ziggurat
 97237 | Zig:11   | Paralysed by accursed screaming for 1 turns
 97335 | Zig:11   | Identified the +1 morningstar "Eropaos" {drain, rF++
                  | Stlth+}
 97336 | Zig:11   | Identified the ring "Tiunko" {rPois Int+3}
 97347 | Zig:12   | Entered Level 12 of a ziggurat
 97425 | Zig:12   | Identified the +7 war axe of Attainder {flame, rF+}
 97447 | Zig:13   | Entered Level 13 of a ziggurat
 97500 | Zig:13   | Identified the +1 flail of Trial by Ordeal {vamp, Will+}
 97517 | Zig:13   | Identified the +11 long sword of Tenacity {spect, Will+
                  | Str+7 Int-4}
 97518 | Zig:13   | Identified the +7 short sword of Peril {heavy, rPois}
 97531 | Zig:13   | Identified the +3 chain mail of Kawar {Int+3}
 97535 | Zig:13   | Identified the +8 glaive of Dismay {spect, ^Fragile rCorr
                  | Int+3 Stlth+}
 97554 | Zig:13   | Identified the +6 hand axe of Inconvenience {protect,
                  | Dex+5}
 97556 | Zig:14   | Entered Level 14 of a ziggurat
 97580 | Zig:14   | Found the +8 whip "Snakebite" {venom, curare, rPois}
 97634 | Zig:14   | Found the +7 mace of Variability {chaos, chaos arc}
 97652 | Zig:14   | Found the +0 mask of the Dragon {Will+ Slay+3 SInv}
 97669 | Zig:14   | Identified the ring "Atuoc" {rF+ rC- Str+3}
 97684 | Zig:15   | Entered Level 15 of a ziggurat
 97805 | Zig:15   | Got the Anthology of Angles and the Union
 97806 | Zig:15   | Identified the +5 long sword "Ox" {spect, rElec rF- Dex+3}
 97808 | Zig:15   | Identified the +5 ring mail of Wonder {Dex+4}
 97812 | Zig:16   | Entered Level 16 of a ziggurat
 97829 | Zig:16   | Reached skill level 10 in Armour
 97833 | Zig:16   | Noticed a dread lich
 97837 | Zig:16   | Killed a dread lich
 97905 | Zig:16   | Identified the +1 ice dragon scales of the Carpenter {rPois
                  | rF- rC++ Will+ Dex-5}
 97906 | Zig:16   | Identified the +0 quarterstaff "Jagao" {heavy, *Slow rC++
                  | Will+ Dex+3}
 97912 | Zig:16   | Identified the staff of the Aged Beds {Int+5 Dex-3 Conj}
 97916 | Zig:16   | Identified the ring "Reskydat" {rC+ rCorr EV+5 Int-2}
 97924 | Zig:16   | Identified the amulet "Qoukh" {Acrobat Dex+3}
 97932 | Zig:17   | Entered Level 17 of a ziggurat
 97944 | Zig:17   | Noticed Dibab the pandemonium lord
 97959 | Zig:17   | Killed Dibab the pandemonium lord
 98179 | Zig:18   | Entered Level 18 of a ziggurat
 98323 | Zig:18   | Found the +8 demon trident "Rift" {distort, reach+}
 98390 | Zig:18   | Identified the ring of Esyal {rElec rPois Will+ rCorr
                  | Int+3}
 98399 | Zig:18   | Identified the +1 short sword of Checkmate {freeze, rElec
                  | rPois Will- Stlth+}
 98400 | Zig:18   | Identified the amulet "Ystranat" {Faith Str+3}
 98405 | Zig:18   | Identified the ring of the Will of the Gods {rN+ Int+6}
 98413 | Zig:19   | Entered Level 19 of a ziggurat
 98438 | Zig:19   | Paralysed by a wendigo for 1 turns
 98483 | Zig:19   | Identified the +2 buckler of Wu Jian, Threshing {rF+ Str+2
                  | Dex+3}
 98537 | Zig:19   | Identified the +7 chain mail "Gibuod" {rC- rN+ Str+2}
 98549 | Zig:20   | Entered Level 20 of a ziggurat
 98574 | Zig:20   | Gained mutation: You have a pair of small antennae on your
                  | head. [a shining eye]
 98579 | Zig:20   | Lost mutation: Your mind is very acute. (Int +8, Str/Dex
                  | -2) [a shining eye]
 98596 | Zig:20   | Lost mutation: Your movements are slightly less encumbered
                  | by armour. (ER -2) [potion of mutation]
 98596 | Zig:20   | Lost mutation: You have a pair of small antennae on your
                  | head. [potion of mutation]
 98596 | Zig:20   | Gained mutation: You frequently scream uncontrollably at
                  | your foes. [potion of mutation]
 98596 | Zig:20   | Gained mutation: You have sharp toenails. [potion of
                  | mutation]
 98703 | Zig:20   | Identified the ring "Qebiuhuy" {Fly rC+ Int+2}
 98709 | Zig:20   | Identified the +6 chain mail of Hedging {Int+2 Dex+2}
 98713 | Zig:20   | Identified the staff "Nojumm" {rPois Hexes Alchemy}
 98714 | Zig:20   | Identified the +5 short sword "Oloyhyu" {venom, SInv}
 98718 | Zig:20   | Identified the +10 trident "Hieti" {spect, rPois}
 98720 | Zig:20   | Identified the +1 trident "Orb Guardian's Curse" {pain,
                  | rPois rN+ SInv}
 98726 | Zig:21   | Entered Level 21 of a ziggurat
 98956 | Zig:21   | Identified the +2 falchion of Indignation {heavy, Int+7
                  | SInv Stlth+}
 98958 | Zig:21   | Identified the staff of the Nexus {rPois rF+ rN+ MP+9 Fire}
 98965 | Zig:21   | Identified the amulet of Cowardice {Faith *Slow Str+4}
 98975 | Zig:21   | Reached skill level 15 in Armour
 98975 | Zig:21   | Reached skill level 27 in Shapeshifting
 98977 | Zig:22   | Entered Level 22 of a ziggurat
 99051 | Zig:22   | Found the macabre finger necklace {Finger+ rN+}
 99201 | Zig:22   | Identified the +6 trident "Natyopho" {flame, Str+3}
 99215 | Zig:22   | Identified the ring "Citoeh" {Int+3 SInv Stlth+}
 99321 | Zig:23   | Entered Level 23 of a ziggurat
 99333 | Zig:23   | Paralysed by an air elemental for 1 turns
 99336 | Zig:23   | Paralysed by an air elemental for 1 turns
 99338 | Zig:23   | Paralysed by an air elemental for 1 turns
 99538 | Zig:23   | Identified the ring "Kulor" {AC+4 Str+6}
 99539 | Zig:23   | Identified the ring "Kyhaos" {Will+ Str-4 Int+6 Stlth+}
 99572 | Zig:23   | Identified the +10 scimitar of Defence by Offence {flame,
                  | rCorr Str+3}
 99579 | Zig:23   | Identified the +5 morningstar of Propriety {drain, rF++}
 99588 | Zig:24   | Entered Level 24 of a ziggurat
 99733 | Zig:24   | Identified the +7 chain mail of Anaurian {-Cast Harm rPois
                  | Slay+6}
 99734 | Zig:24   | Identified the +6 scale mail of Cocytus {rElec rCorr
                  | Stlth+}
 99738 | Zig:24   | Identified the ring "Riurpheyc" {rElec rF+ rC+ Dex-4
                  | Stlth+}
 99851 | Zig:24   | Identified the +1 falchion "Transmigrator" {drain, Fly rC-
                  | Dex+6 SInv}
 99862 | Zig:25   | Entered Level 25 of a ziggurat
100136 | Zig:25   | Identified the +3 eveningstar of Trauma {chaos, Str-2 Int+3
                  | SInv}
100149 | Zig:25   | Identified the ring "Asterch" {rPois Str+3}
100166 | Zig:25   | Identified the +11 dagger of Action {venom, rF- rC++ MP+9
                  | SInv}
100172 | Zig:26   | Entered Level 26 of a ziggurat
100460 | Zig:26   | Identified the +9 trident of Qeanusch {venom, rPois Dex+2}
100461 | Zig:26   | Identified the staff of Terror {Dex+5 Conj}
100478 | Zig:26   | Identified the staff "Apreth" {rElec Will+ Air}
100493 | Zig:26   | Identified the +1 robe of Curiosity {Fly rCorr Str+2}
100499 | Zig:26   | Identified the +2 morningstar "Omokhlyff" {speed, rC- Str+8
                  | Dex-5}
100503 | Zig:27   | Entered Level 27 of a ziggurat
100523 | Zig:27   | Noticed Wugamerr the pandemonium lord
100525 | Zig:27   | Noticed Vatojueto the pandemonium lord
100525 | Zig:27   | Noticed Dugivuj the pandemonium lord
100526 | Zig:27   | Noticed Beserizy the pandemonium lord
100526 | Zig:27   | Noticed Geutyalu the pandemonium lord
100527 | Zig:27   | Noticed Xohaebag the pandemonium lord
100527 | Zig:27   | Noticed Jemm the pandemonium lord
100528 | Zig:27   | Noticed Morchoigh the pandemonium lord
100528 | Zig:27   | Noticed Liofuyw the pandemonium lord
100529 | Zig:27   | Killed Geutyalu the pandemonium lord
100529 | Zig:27   | Noticed Xeamp the pandemonium lord
100529 | Zig:27   | Noticed Rexuho the pandemonium lord
100530 | Zig:27   | Killed Morchoigh the pandemonium lord
100531 | Zig:27   | Killed Wugamerr the pandemonium lord
100532 | Zig:27   | Killed Beserizy the pandemonium lord
100532 | Zig:27   | Noticed Iconuv the pandemonium lord
100532 | Zig:27   | Noticed Qipaycoh the pandemonium lord
100533 | Zig:27   | Killed Vatojueto the pandemonium lord
100533 | Zig:27   | Killed Xohaebag the pandemonium lord
100534 | Zig:27   | Killed Liofuyw the pandemonium lord
100534 | Zig:27   | Noticed Joifuaxt the pandemonium lord
100534 | Zig:27   | Noticed Xyava the pandemonium lord
100534 | Zig:27   | Noticed Wasiex the pandemonium lord
100536 | Zig:27   | Noticed Edonwe the pandemonium lord
100537 | Zig:27   | Killed Qipaycoh the pandemonium lord
100537 | Zig:27   | Killed Xeamp the pandemonium lord
100537 | Zig:27   | Killed Jemm the pandemonium lord
100537 | Zig:27   | Killed Rexuho the pandemonium lord
100537 | Zig:27   | Noticed Vazog the pandemonium lord
100538 | Zig:27   | Noticed Dixeb the pandemonium lord
100539 | Zig:27   | Killed Dugivuj the pandemonium lord
100539 | Zig:27   | Noticed Kontest the pandemonium lord
100540 | Zig:27   | Noticed Hewet the pandemonium lord
100540 | Zig:27   | Noticed Erunuder the pandemonium lord
100541 | Zig:27   | Noticed Zifyrysh the pandemonium lord
100541 | Zig:27   | Noticed Nohiytou the pandemonium lord
100541 | Zig:27   | Noticed Wyovythu the pandemonium lord
100548 | Zig:27   | Noticed Ossu the pandemonium lord
100551 | Zig:27   | Killed Hewet the pandemonium lord
100556 | Zig:27   | Noticed Jiafy Zettun the pandemonium lord
100556 | Zig:27   | Killed Wyovythu the pandemonium lord
100556 | Zig:27   | Killed Zifyrysh the pandemonium lord
100556 | Zig:27   | Killed Kontest the pandemonium lord
100556 | Zig:27   | Killed Ossu the pandemonium lord
100558 | Zig:27   | Killed Dixeb the pandemonium lord
100558 | Zig:27   | Killed Wasiex the pandemonium lord
100558 | Zig:27   | Killed Xyava the pandemonium lord
100559 | Zig:27   | Noticed Benaeral the pandemonium lord
100559 | Zig:27   | Noticed Jifaci the pandemonium lord
100559 | Zig:27   | Killed Vazog the pandemonium lord
100559 | Zig:27   | Killed Iconuv the pandemonium lord
100561 | Zig:27   | Killed Benaeral the pandemonium lord
100561 | Zig:27   | Killed Joifuaxt the pandemonium lord
100561 | Zig:27   | Killed Nohiytou the pandemonium lord
100562 | Zig:27   | Killed Jiafy Zettun the pandemonium lord
100562 | Zig:27   | Killed Jifaci the pandemonium lord
100562 | Zig:27   | Killed Edonwe the pandemonium lord
100567 | Zig:27   | Killed Erunuder the pandemonium lord
100569 | Zig:27   | Noticed Piucsar the pandemonium lord
100577 | Zig:27   | Killed Piucsar the pandemonium lord
100586 | Zig:27   | Noticed Amibesch the pandemonium lord
100593 | Zig:27   | Killed Amibesch the pandemonium lord
100856 | Zig:27   | Found the +2 cloak of the Thief {*Fog Slay-2 SInv Stlth+}
100856 | Zig:27   | Found the ring of the Octopus King
100895 | Zig:27   | Found the +5 moon troll leather armour {Spirit, Regen++
                  | MP+5}
100912 | Zig:27   | Identified the +4 chain mail of Noughts and Crosses {rC+
                  | Slay+3}
100921 | Zig:27   | Identified a ring of the Octopus King {rC+ HP+2 AC+2 EV+2
                  | SH+2}
100922 | Zig:27   | Identified the ring "Tetauk" {Fire rPois rN+}
100923 | Zig:27   | Identified the +5 lajatang "Raeme" {drain, *Corrode rC++
                  | rN+ Stlth+}
100931 | Zig:27   | Identified the +4 scale mail of Instinct {rN+ rCorr Str-2
                  | Dex+2}
100937 | Zig:27   | Identified the +6 broad axe "Humeok" {venom, rC+}
100954 | Zig:27   | Identified the +0 ring mail "Ashahuwn" {rF+ MP+9}
100958 | Zig:27   | Identified the +0 hat of Inviolability {Dex+3}
101037 | Depths:3 | Lost mutation: Your muscles are strong. (Str +4, Int/Dex
                  | -1) [potion of mutation]
101037 | Depths:3 | Lost mutation: You frequently scream uncontrollably at your
                  | foes. [potion of mutation]
101037 | Depths:3 | Gained mutation: You passively dampen the noise of your
                  | surroundings. [potion of mutation]
101038 | Depths:3 | Lost mutation: You passively dampen the noise of your
                  | surroundings. [potion of mutation]
101038 | Depths:3 | Lost mutation: You have sharp toenails. [potion of
                  | mutation]
101038 | Depths:3 | Lost mutation: You occasionally shout uncontrollably at
                  | your foes. [potion of mutation]
101038 | Depths:3 | Gained mutation: You expend magic power (3 MP) to
                  | strengthen your wands. [potion of mutation]
101039 | Depths:3 | Lost mutation: Your mind is acute. (Int +4, Str/Dex -1)
                  | [potion of mutation]
101039 | Depths:3 | Lost mutation: You expend magic power (3 MP) to strengthen
                  | your wands. [potion of mutation]
101039 | Depths:3 | Gained mutation: You passively dampen the noise of your
                  | surroundings. [potion of mutation]
101040 | Depths:3 | Lost mutation: You passively map a small area around you.
                  | [potion of mutation]
101040 | Depths:3 | Lost mutation: You passively dampen the noise of your
                  | surroundings. [potion of mutation]
101040 | Depths:3 | Gained mutation: Your body sometimes deteriorates upon
                  | taking damage. [potion of mutation]
101040 | Depths:3 | Gained mutation: You have hidden genetic potential. [potion
                  | of mutation]
101040 | Depths:3 | Gained mutation: You occasionally lose the ability to drink
                  | potions when taking damage. [potion of mutation]
101041 | Depths:3 | Lost mutation: Your body sometimes deteriorates upon taking
                  | damage. [potion of mutation]
101041 | Depths:3 | Lost mutation: You have hidden genetic potential. [potion
                  | of mutation]
101041 | Depths:3 | Lost mutation: You occasionally lose the ability to drink
                  | potions when taking damage. [potion of mutation]
101041 | Depths:3 | Gained mutation: You are clumsy. (Dex -2) [potion of
                  | mutation]
101042 | Depths:3 | Lost mutation: You are clumsy. (Dex -2) [potion of
                  | mutation]
101042 | Depths:3 | Gained mutation: You passively map a small area around you.
                  | [potion of mutation]
101042 | Depths:3 | Gained mutation: You have a pair of small horns on your
                  | head. [potion of mutation]
101042 | Depths:3 | Gained mutation: You have large cloven feet. [potion of
                  | mutation]
101043 | Depths:3 | Lost mutation: You passively map a small area around you.
                  | [potion of mutation]
101043 | Depths:3 | Lost mutation: You have large cloven feet. [potion of
                  | mutation]
101043 | Depths:3 | Lost mutation: You have a pair of small horns on your head.
                  | [potion of mutation]
101043 | Depths:3 | Gained mutation: You are somewhat resistant to further
                  | mutation. [potion of mutation]
101043 | Depths:3 | Gained mutation: Your spells are a little harder to cast,
                  | but a little more powerful. [potion of mutation]
101044 | Depths:3 | Lost mutation: Your spells are a little harder to cast, but
                  | a little more powerful. [potion of mutation]
101044 | Depths:3 | Lost mutation: You are somewhat resistant to further
                  | mutation. [potion of mutation]
101044 | Depths:3 | Gained mutation: You are frail. (-10% HP) [potion of
                  | mutation]
101044 | Depths:3 | Gained mutation: You sometimes lose your temper in combat.
                  | [potion of mutation]
101044 | Depths:3 | Lost mutation: You sometimes lose your temper in combat.
                  | [potion of mutation]
101045 | Depths:3 | Lost mutation: You are frail. (-10% HP) [potion of
                  | mutation]
101045 | Depths:3 | Gained mutation: You sometimes lose your temper in combat.
                  | [potion of mutation]
101045 | Depths:3 | Gained mutation: You occasionally lose the ability to drink
                  | potions when taking damage. [potion of mutation]
101045 | Depths:3 | Gained mutation: Your mind is acute. (Int +4, Str/Dex -1)
                  | [potion of mutation]
101046 | Depths:3 | Lost mutation: You occasionally lose the ability to drink
                  | potions when taking damage. [potion of mutation]
101046 | Depths:3 | Lost mutation: Your mind is acute. (Int +4, Str/Dex -1)
                  | [potion of mutation]
101046 | Depths:3 | Lost mutation: You sometimes lose your temper in combat.
                  | [potion of mutation]
101046 | Depths:3 | Gained mutation: You are dopey. (Int -2) [potion of
                  | mutation]
101046 | Depths:3 | Gained mutation: You have a pair of small horns on your
                  | head. [potion of mutation]
101047 | Depths:3 | Lost mutation: You are dopey. (Int -2) [potion of mutation]
101047 | Depths:3 | Lost mutation: You have a pair of small horns on your head.
                  | [potion of mutation]
101047 | Depths:3 | Gained mutation: You are clumsy. (Dex -2) [potion of
                  | mutation]
101047 | Depths:3 | Gained mutation: You have a beak for a mouth. [potion of
                  | mutation]
101048 | Depths:3 | Lost mutation: You are clumsy. (Dex -2) [potion of
                  | mutation]
101048 | Depths:3 | Lost mutation: You have a beak for a mouth. [potion of
                  | mutation]
101048 | Depths:3 | Gained mutation: You are agile. (Dex +4, Str/Int -1)
                  | [potion of mutation]
101048 | Depths:3 | Gained mutation: Your spells are a little harder to cast,
                  | but a little more powerful. [potion of mutation]
101049 | Depths:3 | Lost mutation: You are agile. (Dex +4, Str/Int -1) [potion
                  | of mutation]
101049 | Depths:3 | Lost mutation: Your spells are a little harder to cast, but
                  | a little more powerful. [potion of mutation]
101049 | Depths:3 | Gained mutation: You have a pair of small horns on your
                  | head. [potion of mutation]
101050 | Depths:3 | Lost mutation: You have a pair of small horns on your head.
                  | [potion of mutation]
101050 | Depths:3 | Gained mutation: You are frail. (-10% HP) [potion of
                  | mutation]
101050 | Depths:3 | Gained mutation: You sometimes lose your temper in combat.
                  | [potion of mutation]
101050 | Depths:3 | Gained mutation: You have hidden genetic potential. [potion
                  | of mutation]
101051 | Depths:3 | Lost mutation: You have hidden genetic potential. [potion
                  | of mutation]
101051 | Depths:3 | Lost mutation: You are frail. (-10% HP) [potion of
                  | mutation]
101051 | Depths:3 | Lost mutation: You sometimes lose your temper in combat.
                  | [potion of mutation]
101051 | Depths:3 | Gained mutation: Your spells are a little harder to cast,
                  | but a little more powerful. [potion of mutation]
101051 | Depths:3 | Gained mutation: Your body sometimes deteriorates upon
                  | taking damage. [potion of mutation]
101051 | Depths:3 | Gained mutation: You expend magic power (3 MP) to
                  | strengthen your wands. [potion of mutation]
101052 | Depths:3 | Lost mutation: Your body sometimes deteriorates upon taking
                  | damage. [potion of mutation]
101052 | Depths:3 | Lost mutation: Your spells are a little harder to cast, but
                  | a little more powerful. [potion of mutation]
101052 | Depths:3 | Lost mutation: You expend magic power (3 MP) to strengthen
                  | your wands. [potion of mutation]
101052 | Depths:3 | Gained mutation: You have a pair of small horns on your
                  | head. [potion of mutation]
101052 | Depths:3 | Lost mutation: You have a pair of small horns on your head.
                  | [potion of mutation]
101052 | Depths:3 | Gained mutation: Your spells are a little easier to cast,
                  | but a little less powerful. [potion of mutation]
101053 | Depths:3 | Lost mutation: Your spells are a little easier to cast, but
                  | a little less powerful. [potion of mutation]
101053 | Depths:3 | Gained mutation: You sometimes lose your temper in combat.
                  | [potion of mutation]
101053 | Depths:3 | Gained mutation: You have a pair of small horns on your
                  | head. [potion of mutation]
101054 | Depths:3 | Lost mutation: You sometimes lose your temper in combat.
                  | [potion of mutation]
101054 | Depths:3 | Lost mutation: You have a pair of small horns on your head.
                  | [potion of mutation]
101054 | Depths:3 | Gained mutation: You are clumsy. (Dex -2) [potion of
                  | mutation]
101054 | Depths:3 | Gained mutation: You do not regenerate when monsters are
                  | visible. [potion of mutation]
101055 | Depths:3 | Lost mutation: You do not regenerate when monsters are
                  | visible. [potion of mutation]
101055 | Depths:3 | Lost mutation: You are clumsy. (Dex -2) [potion of
                  | mutation]
101055 | Depths:3 | Gained mutation: Your system is resistant to poisons.
                  | (rPois) [potion of mutation]
101055 | Depths:3 | Gained mutation: You are robust. (+10% HP) [potion of
                  | mutation]
101056 | Depths:3 | Lost mutation: You are robust. (+10% HP) [potion of
                  | mutation]
101056 | Depths:3 | Lost mutation: Your system is resistant to poisons. (rPois)
                  | [potion of mutation]
101056 | Depths:3 | Gained mutation: Your mind is acute. (Int +4, Str/Dex -1)
                  | [potion of mutation]
101056 | Depths:3 | Gained mutation: You are partially covered in large bone
                  | plates. (SH +4) [potion of mutation]
101056 | Depths:3 | Gained mutation: You passively dampen the noise of your
                  | surroundings. [potion of mutation]
101076 | Zig:1    | Entered Level 1 of a ziggurat
101095 | Zig:2    | Entered Level 2 of a ziggurat
101119 | Zig:3    | Entered Level 3 of a ziggurat
101160 | Zig:3    | Identified the amulet "Zarchud" {Reflect -Tele rElec rF+
                  | Dex+4 SH+5}
101167 | Zig:4    | Entered Level 4 of a ziggurat
101170 | Zig:4    | Noticed Ydghayhi the pandemonium lord
101182 | Zig:4    | Killed Ydghayhi the pandemonium lord
101199 | Zig:4    | Identified the +0 ring mail "Vysmumm" {rElec Will+ Dex+3}
101204 | Zig:4    | Identified the staff of Malum Prohibitum {rF+ Will- Dex-4
                  | Conj Fire Alchemy}
101220 | Zig:5    | Entered Level 5 of a ziggurat
101239 | Zig:5    | Identified the ring "Lelax" {rCorr Dex+3}
101249 | Zig:5    | Acquired a manual of Conjurations
101275 | Zig:6    | Entered Level 6 of a ziggurat
101279 | Zig:6    | Noticed a juggernaut
101285 | Zig:6    | Killed a juggernaut
101361 | Zig:6    | Identified the +9 quarterstaff "Vuirungy" {venom, rElec rC-
                  | Int+8}
101364 | Zig:7    | Entered Level 7 of a ziggurat
101367 | Zig:7    | Noticed a juggernaut
101368 | Zig:7    | Noticed a juggernaut
101373 | Zig:7    | Killed a juggernaut
101374 | Zig:7    | Killed a juggernaut
101436 | Zig:7    | Identified the +9 whip of the Moon {drain, Str+5}
101456 | Zig:8    | Entered Level 8 of a ziggurat
101524 | Zig:8    | Identified the staff "Trog's Wrath" {rF+ rN+ Necro}
101531 | Zig:8    | Identified the +0 leather armour of the Moneychanger {Harm
                  | +Inv rC++ Int-4}
101534 | Zig:9    | Entered Level 9 of a ziggurat
101547 | Zig:9    | Found the ring of the Octopus King
101595 | Zig:9    | Identified a ring of the Octopus King {HP+2 AC+2 EV+2 SH+2
                  | SInv}
101614 | Zig:10   | Entered Level 10 of a ziggurat
101620 | Zig:10   | Noticed Deseakik the pandemonium lord
101620 | Zig:10   | Noticed Zeol the pandemonium lord
101620 | Zig:10   | Noticed Bijyimn the pandemonium lord
101622 | Zig:10   | Noticed Meucing the pandemonium lord
101626 | Zig:10   | Killed Deseakik the pandemonium lord
101629 | Zig:10   | Killed Bijyimn the pandemonium lord
101630 | Zig:10   | Killed Meucing the pandemonium lord
101633 | Zig:10   | Killed Zeol the pandemonium lord
101690 | Zig:10   | Identified the +4 scimitar of Ysusah {venom, Will+ Dex+7}
101693 | Zig:10   | Identified the +2 helmet of the Beekeeper {Harm Str-4 SInv
                  | Stlth+}
101743 | Zig:11   | Entered Level 11 of a ziggurat
101747 | Zig:11   | Noticed a royal mummy
101747 | Zig:11   | Noticed a royal mummy
101749 | Zig:11   | Noticed a royal mummy
101749 | Zig:11   | Noticed a royal mummy
101750 | Zig:11   | Noticed a royal mummy
101752 | Zig:11   | Killed a royal mummy
101753 | Zig:11   | Noticed a royal mummy
101754 | Zig:11   | Killed a royal mummy
101754 | Zig:11   | Killed a royal mummy
101754 | Zig:11   | Noticed a royal mummy
101755 | Zig:11   | Noticed a royal mummy
101756 | Zig:11   | Killed a royal mummy
101756 | Zig:11   | Killed a royal mummy
101757 | Zig:11   | Killed a royal mummy
101758 | Zig:11   | Killed a royal mummy
101760 | Zig:11   | Killed a royal mummy
101856 | Zig:11   | Identified the ring "Alooneopt" {*Corrode *Slow rPois
                  | Will+++ Str+6 Int+4}
101860 | Zig:11   | Identified the +4 longbow of the Wolf {heavy, rC+}
101867 | Zig:11   | Identified the amulet "Southysh" {Regen+ Str+5}
101875 | Zig:11   | Identified the +2 ring mail of the Black Moon {-Tele rF+
                  | Will+ rCorr}
101879 | Zig:12   | Entered Level 12 of a ziggurat
101887 | Zig:12   | Paralysed by a wendigo for 1 turns
101891 | Zig:12   | Paralysed by a wendigo for 1 turns
101895 | Zig:12   | Reached skill level 27 in Earth Magic
101930 | Zig:12   | Identified the staff of War {rC- Int+4 Earth}
101943 | Zig:12   | Identified the ring "Miedogh" {rC+ Will+ Dex+2}
101970 | Zig:13   | Entered Level 13 of a ziggurat
101977 | Zig:13   | Noticed Veengyuwk the pandemonium lord
101977 | Zig:13   | Noticed Fiedoasta the pandemonium lord
101978 | Zig:13   | Noticed Eguco the pandemonium lord
101978 | Zig:13   | Noticed Elos the pandemonium lord
101980 | Zig:13   | Noticed Oraolab the pandemonium lord
101980 | Zig:13   | Noticed Xuucij the pandemonium lord
101981 | Zig:13   | Noticed Kubebe the pandemonium lord
101981 | Zig:13   | Noticed Tazxiuh the pandemonium lord
101982 | Zig:13   | Killed Fiedoasta the pandemonium lord
101984 | Zig:13   | Killed Kubebe the pandemonium lord
101984 | Zig:13   | Killed Veengyuwk the pandemonium lord
101984 | Zig:13   | Killed Oraolab the pandemonium lord
101984 | Zig:13   | Killed Elos the pandemonium lord
101985 | Zig:13   | Killed Xuucij the pandemonium lord
101986 | Zig:13   | Killed Tazxiuh the pandemonium lord
101986 | Zig:13   | Killed Eguco the pandemonium lord
101987 | Zig:13   | Found the +3 giant club "Skullcrusher" {speed, Str+7}
102098 | Zig:14   | Entered Level 14 of a ziggurat
102105 | Zig:14   | Noticed a dread lich
102108 | Zig:14   | Killed a dread lich
102109 | Zig:14   | Noticed an ancient lich
102111 | Zig:14   | Reached skill level 27 in Ice Magic
102112 | Zig:14   | Killed an ancient lich
102157 | Zig:14   | Found the ring of the Octopus King
102165 | Zig:14   | Identified the +0 ring mail of Conea {Regen+}
102169 | Zig:14   | Acquired a manual of Staves
102172 | Zig:14   | Identified a ring of the Octopus King {rF+ HP+2 AC+2 EV+2
                  | SH+2}
102180 | Zig:14   | Identified the +4 great sword of Cataclysm {speed, rPois}
102217 | Zig:14   | Acquired 511 gold pieces
102222 | Zig:14   | Acquired 1194 gold pieces
102234 | Zig:14   | Identified the +7 falchion of Sulphur {freeze, *Slow rN+++
                  | Will+ Str-5}
102237 | Zig:15   | Entered Level 15 of a ziggurat
102247 | Zig:15   | Reached skill level 5 in Fire Magic
102321 | Zig:15   | Identified the +0 helmet of the Mackerel {Will+}
102401 | Zig:15   | Identified the +2 morningstar of Tenacity {elec, rCorr}
102407 | Zig:16   | Entered Level 16 of a ziggurat
102412 | Zig:16   | Noticed an ancient lich
102414 | Zig:16   | Noticed a dread lich
102414 | Zig:16   | Noticed a dread lich
102416 | Zig:16   | Killed an ancient lich
102417 | Zig:16   | Noticed a dread lich
102417 | Zig:16   | Noticed an ancient lich
102417 | Zig:16   | Noticed an ancient lich
102418 | Zig:16   | Reached skill level 10 in Fire Magic
102418 | Zig:16   | Killed a dread lich
102418 | Zig:16   | Killed a dread lich
102418 | Zig:16   | Noticed a dread lich
102419 | Zig:16   | Killed a dread lich
102419 | Zig:16   | Killed an ancient lich
102419 | Zig:16   | Killed an ancient lich
102419 | Zig:16   | Noticed a dread lich
102419 | Zig:16   | Noticed an ancient lich
102420 | Zig:16   | Noticed an ancient lich
102421 | Zig:16   | Killed a dread lich
102421 | Zig:16   | Noticed an ancient lich
102422 | Zig:16   | Noticed an ancient lich
102422 | Zig:16   | Killed a dread lich
102422 | Zig:16   | Killed an ancient lich
102422 | Zig:16   | Killed an ancient lich
102423 | Zig:16   | Killed an ancient lich
102424 | Zig:16   | Killed an ancient lich
102508 | Zig:16   | Identified the ring of Xom's Felicitations {MP+9 Str-3
                  | Int+4 Dex+3}
102519 | Zig:16   | Identified the ring of Arruudgh {Will+ rCorr Dex+3}
102523 | Zig:16   | Identified the ring "Dyaqifon" {+Blink rF+ rCorr Str-3}
102529 | Zig:16   | Identified the ring "Fenoq" {rPois rF+ rC+}
102539 | Zig:16   | Identified the staff of Fimbulwinter {rC+ Dex-4 Summ Necro
                  | Fire Ice}
102546 | Zig:17   | Entered Level 17 of a ziggurat
102552 | Zig:17   | Noticed Raozuor the pandemonium lord
102552 | Zig:17   | Noticed Babed the pandemonium lord
102552 | Zig:17   | Noticed Sax Affoi the pandemonium lord
102552 | Zig:17   | Noticed Lieturie the pandemonium lord
102553 | Zig:17   | Noticed Tucaix the pandemonium lord
102556 | Zig:17   | Killed Sax Affoi the pandemonium lord
102556 | Zig:17   | Killed Tucaix the pandemonium lord
102557 | Zig:17   | Killed Raozuor the pandemonium lord
102559 | Zig:17   | Noticed Uvylla the pandemonium lord
102559 | Zig:17   | Noticed Weolegg the pandemonium lord
102562 | Zig:17   | Noticed Jitaum Geew the pandemonium lord
102563 | Zig:17   | Noticed Ixutepse the pandemonium lord
102564 | Zig:17   | Killed Lieturie the pandemonium lord
102564 | Zig:17   | Noticed Ecautic the pandemonium lord
102565 | Zig:17   | Killed Babed the pandemonium lord
102565 | Zig:17   | Noticed Xozxunof the pandemonium lord
102566 | Zig:17   | Reached skill level 15 in Fire Magic
102566 | Zig:17   | Killed Ixutepse the pandemonium lord
102567 | Zig:17   | Killed Xozxunof the pandemonium lord
102567 | Zig:17   | Noticed Buoloy the pandemonium lord
102568 | Zig:17   | Killed Ecautic the pandemonium lord
102568 | Zig:17   | Killed Uvylla the pandemonium lord
102569 | Zig:17   | Killed Jitaum Geew the pandemonium lord
102570 | Zig:17   | Killed Weolegg the pandemonium lord
102576 | Zig:17   | Paralysed by you for 1 turns
102580 | Zig:17   | Killed Buoloy the pandemonium lord
102661 | Zig:17   | Found the +8 frozen axe "Frostbite" {freeze, freezing
                  | cloud, *Noise Fly rC+}
102758 | Zig:17   | Identified the staff "Liose" {rC+ Dex+4 Fire Ice}
102761 | Zig:17   | Identified the staff "Ynomp" {*Slow rElec rF+ rCorr Ice
                  | Air}
102765 | Zig:17   | Identified the +0 plate armour "Xeuruudi" {rC+ Int+3 Dex+2}
102775 | Zig:18   | Entered Level 18 of a ziggurat
102783 | Zig:18   | Noticed an ancient lich
102783 | Zig:18   | Noticed an ancient lich
102785 | Zig:18   | Noticed a dread lich
102785 | Zig:18   | Noticed an ancient lich
102786 | Zig:18   | Killed an ancient lich
102786 | Zig:18   | Killed an ancient lich
102787 | Zig:18   | Noticed an ancient lich
102788 | Zig:18   | Killed a dread lich
102788 | Zig:18   | Killed an ancient lich
102789 | Zig:18   | Noticed an ancient lich
102791 | Zig:18   | Killed an ancient lich
102792 | Zig:18   | Killed an ancient lich
102797 | Zig:18   | Found the +5 scythe "Finisher" {speed, execute}
102906 | Zig:18   | Identified the staff of the Snake Pit {rF+ rN+ Necro}
102919 | Zig:18   | Identified the amulet of Dogma {Regen+ Dex+8}
102923 | Zig:19   | Entered Level 19 of a ziggurat
102929 | Zig:19   | Noticed a dread lich
102933 | Zig:19   | Reached skill level 5 in Staves
102933 | Zig:19   | Killed a dread lich
102942 | Zig:19   | Paralysed by a wendigo for 1 turns
102974 | Zig:19   | Found the +13 scythe of Curses {drain, curses, ^Drain}
103043 | Zig:19   | Identified the +9 great mace "Dragonbane" {antimagic,
                  | +Blink rF+ Str+2 Stlth+}
103044 | Zig:19   | Identified the +5 hand axe "Ytergho" {drain, Int+3}
103048 | Zig:19   | Identified the +1 leather armour "Gustrefeg" {Slay+2}
103057 | Zig:19   | Identified the ring "Rit Iduga" {rPois rN+ MP+9 Int+3}
103059 | Zig:19   | Identified the ring "Fyrchoubi" {Fire Int+3}
103066 | Zig:19   | Identified the staff of the Glowing Shark {rF+ Int+3 Fire}
103071 | Zig:20   | Entered Level 20 of a ziggurat
103082 | Zig:20   | Reached skill level 10 in Staves
103093 | Zig:20   | Noticed Ligun the pandemonium lord
103106 | Zig:20   | Killed Ligun the pandemonium lord
103306 | Zig:20   | Identified the +4 broad axe "Demugud" {drain, Fly rElec
                  | rN+++ Dex-3}
103309 | Zig:21   | Entered Level 21 of a ziggurat
103548 | Zig:21   | Found the +8 orange crystal plate armour {Archmagi, Int+3
                  | Clar}
103561 | Zig:21   | Identified the +7 trident "Quce" {flame, Fly Will- Str+3}
103599 | Zig:22   | Entered Level 22 of a ziggurat
103614 | Zig:22   | Reached skill level 15 in Staves
103618 | Zig:22   | Paralysed by an air elemental for 1 turns
103637 | Zig:22   | Found the +8 Wrath of Trog {antimagic, *Rage Rampage}
103682 | Zig:22   | Found the +4 robe of Folly {Brill Will-∞ Int+8}
103768 | Zig:22   | Identified the ring of Nesiddal {Fly MP+9 Str+3 Dex+4
                  | Stlth-}
103785 | Zig:22   | Identified the granite talisman of the Lair of Beasts
                  | {rCorr Str+3 Slay-5 Stlth+}
103786 | Zig:22   | Identified the ring "Inkugyte" {*Slow AC+4 Str+2 Dex+2}
103800 | Zig:22   | Learned a level 9 spell: Fire Storm
103803 | Zig:23   | Entered Level 23 of a ziggurat
104043 | Zig:23   | Identified the staff "Timis" {^Drain rPois rN+ Str+3 Earth}
104056 | Zig:24   | Entered Level 24 of a ziggurat
104063 | Zig:24   | Noticed an ancient lich
104066 | Zig:24   | Killed an ancient lich
104071 | Zig:24   | Reached skill level 27 in Evocations
104076 | Zig:24   | Reached skill level 15 in Conjurations
104328 | Zig:24   | Identified the +7 demon trident "Trog's Brutal Revenge"
                  | {vamp, Dex+4}
104329 | Zig:24   | Identified the ring "Useerum" {rC+ EV+5 Str+2 Dex+3}
104341 | Zig:24   | Identified the staff "Xoqosyom" {rC+ Int+3 Dex-2 SInv Conj
                  | Ice}
104343 | Zig:24   | Identified the +4 pair of boots of Barnacled Joy {rElec rF+
                  | rC- Int+2}
104372 | Zig:24   | Identified the staff "Orb Guardian's Peril" {Fly rF+ Str+3
                  | Dex-5 Necro Fire}
104373 | Zig:24   | Identified the staff "Ygriwuc" {^Fragile +Blink rPois rC-
                  | rCorr Alchemy}
104383 | Zig:25   | Entered Level 25 of a ziggurat
104391 | Zig:25   | Noticed an ancient lich
104391 | Zig:25   | Noticed a dread lich
104393 | Zig:25   | Killed an ancient lich
104393 | Zig:25   | Noticed a dread lich
104393 | Zig:25   | Noticed a dread lich
104393 | Zig:25   | Noticed a dread lich
104397 | Zig:25   | Noticed a dread lich
104397 | Zig:25   | Killed a dread lich
104398 | Zig:25   | Noticed a dread lich
104398 | Zig:25   | Killed a dread lich
104399 | Zig:25   | Killed a dread lich
104399 | Zig:25   | Killed a dread lich
104399 | Zig:25   | Killed a dread lich
104399 | Zig:25   | Killed a dread lich
104400 | Zig:25   | Noticed an ancient lich
104401 | Zig:25   | Killed an ancient lich
104402 | Zig:25   | Noticed an ancient lich
104402 | Zig:25   | Noticed a dread lich
104402 | Zig:25   | Noticed a dread lich
104404 | Zig:25   | Killed an ancient lich
104405 | Zig:25   | Killed a dread lich
104405 | Zig:25   | Killed a dread lich
104407 | Zig:25   | Noticed an ancient lich
104410 | Zig:25   | Killed an ancient lich
104607 | Zig:25   | Identified the ring "Kiroix" {MP+9 Int+2}
104616 | Zig:25   | Identified the amulet "Meleaq" {Reflect rElec MP+9 Str-2
                  | Slay-5 SH+5}
104620 | Zig:25   | Identified the ring of Skepticism {Fire rN+ Will+ Dex-5}
104633 | Zig:25   | Identified the +3 plate armour "Bethicw" {rN+}
104634 | Zig:25   | Identified the +1 broad axe of Melee {vamp, Int+3}
104641 | Zig:26   | Entered Level 26 of a ziggurat
104753 | Zig:26   | Identified the orb of Soqusup {mayhem, ^Contam rC- rCorr
                  | Necro}
104876 | Zig:26   | Identified the +1 scale mail "Karexuchu" {rPois rF+ Will-
                  | Int+3}
104890 | Zig:26   | Identified the ring of the Heavens {MP+9 Str+3}
104904 | Zig:26   | Identified the +1 flail of the Howling One {flame, rElec
                  | Dex+4}
104912 | Zig:27   | Entered Level 27 of a ziggurat
105143 | Zig:27   | Identified the amulet "Doceecuh" {Faith rF++}
105153 | Zig:27   | Identified the +1 eveningstar of Wyrd {speed, rPois rF++
                  | rN+ Will-}
105172 | Zig:27   | Identified the +1 robe "Qapeomuh" {rF+ Regen+ Int+2}
105173 | Zig:27   | Identified the +0 chain mail of the Slashing Gods {Int+3
                  | Dex+4}
105439 | Depths:3 | Learned a level 8 spell: Maxwell's Capacitive Coupling
105440 | Zig:1    | Entered Level 1 of a ziggurat
105469 | Zig:2    | Entered Level 2 of a ziggurat
105505 | Zig:3    | Entered Level 3 of a ziggurat
105542 | Zig:4    | Entered Level 4 of a ziggurat
105612 | Zig:5    | Entered Level 5 of a ziggurat
105665 | Zig:6    | Entered Level 6 of a ziggurat
105675 | Zig:6    | Reached skill level 27 in Conjurations
105729 | Zig:7    | Entered Level 7 of a ziggurat
105733 | Zig:7    | Noticed an ancient lich
105736 | Zig:7    | Noticed a dread lich
105739 | Zig:7    | Killed a dread lich
105740 | Zig:7    | Reached skill level 27 in Fire Magic
105740 | Zig:7    | Reached skill level 1 in Air Magic
105743 | Zig:7    | Killed an ancient lich
105799 | Zig:7    | Identified the +1 helmet of Tentacled Creativity {^Drain
                  | rC+ Int+3}
105802 | Zig:7    | Identified the +6 bardiche of Luysomomn {flame, rF+ rC+}
105809 | Zig:8    | Entered Level 8 of a ziggurat
105867 | Zig:8    | Identified the +0 pair of gloves of Experimentation {+Blink
                  | rElec Str+2}
105887 | Zig:8    | Identified the +4 quarterstaff of the Many Runes {venom,
                  | rC+ rN+ Stlth-}
105888 | Zig:8    | Identified the +5 battleaxe of Ufutamuh {freeze, rF+ MP+9
                  | Str+3 Stlth-}
105904 | Zig:9    | Entered Level 9 of a ziggurat
105912 | Zig:9    | Reached skill level 5 in Air Magic
106020 | Zig:9    | Identified the ring of Ceuptoo {Fire ^Drain rPois Will+
                  | Dex+3}
106030 | Zig:9    | Identified the +0 trident of Karma {vamp, Str+2 Int+5
                  | Stlth+}
106034 | Zig:10   | Entered Level 10 of a ziggurat
106070 | Zig:10   | Identified the +4 plate armour of the Slorg {Fly rC+ Int+3
                  | SInv}
106081 | Zig:10   | Identified the +9 glaive of Bepogu {flame, rF+ Str+2}
106083 | Zig:10   | Identified the ring "Ulumn" {Fly rN++ Int-2}
106086 | Zig:10   | Identified the staff of Peox {rPois rF- rC++ Conj}
106139 | Zig:10   | Identified the +0 ring mail of Too Many Cooks {Dex+2}
106178 | Zig:11   | Entered Level 11 of a ziggurat
106190 | Zig:11   | Reached skill level 27 in Armour
106239 | Zig:11   | Identified the ring of Zyly {rElec rC+ Will++ AC+4 Stlth-}
106241 | Zig:11   | Identified the staff "Lifebane" {rPois Str+2 Alchemy}
106247 | Zig:11   | Identified the amulet "Pugamahata" {Spirit Rampage rF+}
106253 | Zig:11   | Identified the +3 spear "Casese Liutz" {flame, rElec rN++
                  | Str+3}
106257 | Zig:11   | Identified the amulet of the Fool {RegenMP +Inv rPois rF+
                  | Str+4}
106317 | Zig:12   | Entered Level 12 of a ziggurat
106327 | Zig:12   | Reached skill level 10 in Air Magic
106425 | Zig:12   | Identified the +1 leather armour of Daosyoz {Int+5}
106429 | Zig:12   | Identified the +3 leather armour of Life {rN+}
106435 | Zig:13   | Entered Level 13 of a ziggurat
106438 | Zig:13   | Noticed a dread lich
106438 | Zig:13   | Noticed an ancient lich
106440 | Zig:13   | Killed an ancient lich
106441 | Zig:13   | Noticed an ancient lich
106443 | Zig:13   | Killed a dread lich
106444 | Zig:13   | Killed an ancient lich
106445 | Zig:13   | Noticed a dread lich
106449 | Zig:13   | Found the +8 demon blade "Leech" {evervamp, Harm ^Drain
                  | rN+}
106453 | Zig:13   | Killed a dread lich
106542 | Zig:13   | Identified the +5 scale mail "Usaen" {Str+2}
106554 | Zig:14   | Entered Level 14 of a ziggurat
106575 | Zig:14   | Found the +5 glaive of the Guard {elec, spectral}
106644 | Zig:14   | Identified the staff "Usafo" {*Slow rPois MP+9 Str+6 Earth}
106645 | Zig:14   | Identified the staff of Igaqovoc {rElec Conj Ice}
106646 | Zig:14   | Identified the staff of Naucov {rElec Stlth+ Air}
106647 | Zig:14   | Identified the +0 leather armour "Qoxef" {rPois Dex+2
                  | Slay+2}
106650 | Zig:14   | Identified the ring "Zuakut" {rPois EV+5 Int+3 SInv}
106674 | Zig:14   | Identified the +11 spear "Fuet" {drain, MP+9 Int+3}
106680 | Zig:15   | Entered Level 15 of a ziggurat
106706 | Zig:15   | Found the amulet of Vitality {RegenMP++ Regen++}
106712 | Zig:15   | Identified the ring "Ludgh" {rCorr Int+3 Dex+3}
106714 | Zig:15   | Identified the +11 trident of the Feeding Wasp {heavy, rF+
                  | rC- rCorr Str+2}
106809 | Zig:15   | Acquired 632 gold pieces
106817 | Zig:15   | Identified the +7 long sword of the Scorching Weasel {pain,
                  | Fly rPois Dex-5 Stlth+}
106831 | Zig:15   | Identified the +8 spear of the Viny God {flame, rPois rC-
                  | Will+ Int+4}
106847 | Zig:16   | Entered Level 16 of a ziggurat
106853 | Zig:16   | Noticed a dread lich
106855 | Zig:16   | Reached skill level 15 in Air Magic
106855 | Zig:16   | Noticed an ancient lich
106856 | Zig:16   | Killed a dread lich
106857 | Zig:16   | Killed an ancient lich
106859 | Zig:16   | Noticed an ancient lich
106860 | Zig:16   | Noticed a dread lich
106860 | Zig:16   | Noticed an ancient lich
106862 | Zig:16   | Killed a dread lich
106862 | Zig:16   | Killed an ancient lich
106862 | Zig:16   | Killed an ancient lich
106866 | Zig:16   | Noticed an ancient lich
106873 | Zig:16   | Killed an ancient lich
106981 | Zig:16   | Identified the +0 ice dragon scales "Deuk" {rF- rC++ Will+
                  | rCorr Str+4 Int+3}
106984 | Zig:16   | Identified the +10 whip of Inflation {pain, *Corrode rElec
                  | rPois Int+2}
106987 | Zig:16   | Identified the +8 flail "Xerysiaz" {venom, rF+ rC+ MP+9}
106990 | Zig:16   | Identified the +0 chain mail of Time Monsters {rC+ rN+
                  | Int-3 Dex+2}
106993 | Zig:17   | Entered Level 17 of a ziggurat
107012 | Zig:17   | Found the +8 arc blade {discharge, rElec}
107143 | Zig:17   | Identified the scarf of the Lich-sworn {rC+ rF+, Regen+
                  | Str+6 Dex-4 SInv}
107144 | Zig:17   | Identified the ring of Zoqagg {*Corrode Fly rElec rF+}
107173 | Zig:17   | Identified the +0 leather armour of Autotheism {rElec Str+2
                  | Int-2}
107182 | Zig:18   | Entered Level 18 of a ziggurat
107237 | Zig:18   | Found the Hermit's Pendant {Faith Invo=14 Evo=0 MP+5}
107280 | Zig:18   | Found the ring of the Mage {Wiz Archmagi}
107383 | Zig:18   | Identified the +3 spear of Xom's Esteem {freeze, rCorr
                  | Str+3 Dex-4 Stlth+}
107412 | Zig:19   | Entered Level 19 of a ziggurat
107624 | Zig:19   | Acquired 1162 gold pieces
107642 | Zig:19   | Identified the ring of the Yeti {AC+4 Str+5}
107645 | Zig:19   | Identified the +3 battleaxe "Beol" {heavy, rElec rF+ Str+3}
107660 | Zig:20   | Entered Level 20 of a ziggurat
107673 | Zig:20   | Noticed an ancient lich
107673 | Zig:20   | Noticed an ancient lich
107674 | Zig:20   | Killed an ancient lich
107675 | Zig:20   | Killed an ancient lich
107676 | Zig:20   | Noticed an ancient lich
107678 | Zig:20   | Killed an ancient lich
107680 | Zig:20   | Noticed an ancient lich
107680 | Zig:20   | Killed an ancient lich
107847 | Zig:20   | Identified the -1 pair of boots of Cynicism {rCorr}
107858 | Zig:20   | Identified the +1 short sword "Imiqu" {freeze, *Noise rC++
                  | rCorr Str+2}
107862 | Zig:20   | Identified the ring "Vinaoh" {rPois rC+ rN++ rCorr Int-2}
107879 | Zig:20   | Identified the ring "Rasori" {Fire Slay+3}
107884 | Zig:21   | Entered Level 21 of a ziggurat
107891 | Zig:21   | Noticed an ancient lich
107891 | Zig:21   | Noticed an ancient lich
107891 | Zig:21   | Noticed a dread lich
107892 | Zig:21   | Noticed a dread lich
107892 | Zig:21   | Noticed an ancient lich
107892 | Zig:21   | Noticed a dread lich
107893 | Zig:21   | Killed an ancient lich
107893 | Zig:21   | Killed a dread lich
107893 | Zig:21   | Killed a dread lich
107893 | Zig:21   | Killed an ancient lich
107893 | Zig:21   | Killed an ancient lich
107893 | Zig:21   | Noticed a dread lich
107894 | Zig:21   | Noticed a dread lich
107895 | Zig:21   | Killed a dread lich
107895 | Zig:21   | Killed a dread lich
107896 | Zig:21   | Killed a dread lich
107897 | Zig:21   | Noticed a dread lich
107898 | Zig:21   | Killed a dread lich
107898 | Zig:21   | Noticed an ancient lich
107899 | Zig:21   | Noticed a dread lich
107900 | Zig:21   | Killed a dread lich
107900 | Zig:21   | Killed an ancient lich
107900 | Zig:21   | Noticed a dread lich
107900 | Zig:21   | Noticed an ancient lich
107901 | Zig:21   | Noticed an ancient lich
107902 | Zig:21   | Killed a dread lich
107902 | Zig:21   | Noticed an ancient lich
107903 | Zig:21   | Killed an ancient lich
107903 | Zig:21   | Killed an ancient lich
107905 | Zig:21   | Killed an ancient lich
107970 | Zig:21   | Found the +6 arbalest "Damnation" {damnation}
108036 | Zig:21   | Identified the +1 helmet of Gejelerphun {-Tele Rampage
                  | *Slow Regen+}
108050 | Zig:21   | Identified the +8 war axe of Duukiebe {flame, Stlth+}
108057 | Zig:21   | Identified the staff "Ciakog" {rPois Will+ Tloc Earth}
108069 | Zig:22   | Entered Level 22 of a ziggurat
108076 | Zig:22   | Noticed an orb of fire
108076 | Zig:22   | Noticed an orb of fire
108081 | Zig:22   | Noticed an orb of fire
108081 | Zig:22   | Noticed an orb of fire
108082 | Zig:22   | Noticed an orb of fire
108082 | Zig:22   | Noticed an orb of fire
108082 | Zig:22   | Noticed an orb of fire
108082 | Zig:22   | Noticed an orb of fire
108082 | Zig:22   | Noticed an orb of fire
108083 | Zig:22   | Killed an orb of fire
108083 | Zig:22   | Noticed an orb of fire
108084 | Zig:22   | Noticed an orb of fire
108084 | Zig:22   | Killed an orb of fire
108084 | Zig:22   | Noticed an orb of fire
108084 | Zig:22   | Noticed an orb of fire
108085 | Zig:22   | Killed an orb of fire
108085 | Zig:22   | Noticed an orb of fire
108085 | Zig:22   | Noticed an orb of fire
108086 | Zig:22   | Killed an orb of fire
108086 | Zig:22   | Killed an orb of fire
108086 | Zig:22   | Killed an orb of fire
108086 | Zig:22   | Killed an orb of fire
108086 | Zig:22   | Noticed an orb of fire
108087 | Zig:22   | Killed an orb of fire
108087 | Zig:22   | Noticed an orb of fire
108088 | Zig:22   | Noticed an orb of fire
108088 | Zig:22   | Noticed an orb of fire
108089 | Zig:22   | Killed an orb of fire
108089 | Zig:22   | Noticed an orb of fire
108089 | Zig:22   | Noticed an orb of fire
108090 | Zig:22   | Killed an orb of fire
108094 | Zig:22   | Killed an orb of fire
108094 | Zig:22   | Killed an orb of fire
108094 | Zig:22   | Killed an orb of fire
108095 | Zig:22   | Killed an orb of fire
108095 | Zig:22   | Killed an orb of fire
108095 | Zig:22   | Killed an orb of fire
108097 | Zig:22   | Killed an orb of fire
108108 | Zig:22   | Killed an orb of fire
108137 | Zig:22   | Killed an orb of fire
108139 | Zig:22   | Killed an orb of fire
108143 | Zig:22   | Killed an orb of fire
108314 | Zig:22   | Identified the +3 spear "Yskum" {heavy, SInv}
108322 | Zig:22   | Identified the ring "Itaxioq" {Fire rElec}
108337 | Zig:22   | Identified the staff "Beetlebane" {Int+4 Conj}
108338 | Zig:22   | Identified the +4 barding "Niemisor" {rC+}
108341 | Zig:22   | Identified the ring "Opemarghy" {rCorr Slay+3}
108346 | Zig:22   | Identified the +1 troll leather armour "Nisit" {rPois Will+
                  | Regen+}
108347 | Zig:22   | Identified the +7 scale mail "Akishann" {rF+}
108351 | Zig:23   | Entered Level 23 of a ziggurat
108372 | Zig:23   | Reached skill level 27 in Staves
108606 | Zig:23   | Identified the ring "Aresidde" {rN+ Str+3 Int-2 Dex+4 SInv}
108609 | Zig:23   | Identified the +6 war axe "Zeqosodgh" {venom, rF+ Int+2
                  | SInv}
108618 | Zig:24   | Entered Level 24 of a ziggurat
108622 | Zig:24   | Noticed a royal mummy
108624 | Zig:24   | Noticed a royal mummy
108624 | Zig:24   | Noticed a royal mummy
108625 | Zig:24   | Noticed a royal mummy
108625 | Zig:24   | Noticed a royal mummy
108625 | Zig:24   | Noticed a royal mummy
108625 | Zig:24   | Noticed a royal mummy
108626 | Zig:24   | Killed a royal mummy
108626 | Zig:24   | Noticed a royal mummy
108627 | Zig:24   | Noticed a royal mummy
108627 | Zig:24   | Noticed a royal mummy
108627 | Zig:24   | Killed a royal mummy
108627 | Zig:24   | Noticed a royal mummy
108628 | Zig:24   | Killed a royal mummy
108628 | Zig:24   | Killed a royal mummy
108628 | Zig:24   | Killed a royal mummy
108628 | Zig:24   | Killed a royal mummy
108628 | Zig:24   | Killed a royal mummy
108628 | Zig:24   | Noticed a royal mummy
108628 | Zig:24   | Noticed a royal mummy
108628 | Zig:24   | Noticed a royal mummy
108628 | Zig:24   | Noticed a royal mummy
108629 | Zig:24   | Noticed a royal mummy
108629 | Zig:24   | Noticed a royal mummy
108629 | Zig:24   | Noticed a royal mummy
108629 | Zig:24   | Killed a royal mummy
108630 | Zig:24   | Killed a royal mummy
108630 | Zig:24   | Killed a royal mummy
108630 | Zig:24   | Killed a royal mummy
108630 | Zig:24   | Noticed a royal mummy
108630 | Zig:24   | Noticed a royal mummy
108630 | Zig:24   | Noticed a royal mummy
108631 | Zig:24   | Noticed a royal mummy
108631 | Zig:24   | Noticed a royal mummy
108631 | Zig:24   | Noticed a royal mummy
108631 | Zig:24   | Noticed a royal mummy
108632 | Zig:24   | Killed a royal mummy
108632 | Zig:24   | Killed a royal mummy
108632 | Zig:24   | Killed a royal mummy
108632 | Zig:24   | Killed a royal mummy
108632 | Zig:24   | Killed a royal mummy
108632 | Zig:24   | Killed a royal mummy
108632 | Zig:24   | Noticed a royal mummy
108633 | Zig:24   | Noticed a royal mummy
108633 | Zig:24   | Noticed a royal mummy
108633 | Zig:24   | Killed a royal mummy
108634 | Zig:24   | Killed a royal mummy
108634 | Zig:24   | Killed a royal mummy
108634 | Zig:24   | Killed a royal mummy
108634 | Zig:24   | Killed a royal mummy
108634 | Zig:24   | Killed a royal mummy
108634 | Zig:24   | Killed a royal mummy
108634 | Zig:24   | Killed a royal mummy
108634 | Zig:24   | Noticed a royal mummy
108634 | Zig:24   | Noticed a royal mummy
108634 | Zig:24   | Noticed a royal mummy
108635 | Zig:24   | Noticed a royal mummy
108635 | Zig:24   | Noticed a royal mummy
108636 | Zig:24   | Killed a royal mummy
108636 | Zig:24   | Killed a royal mummy
108636 | Zig:24   | Killed a royal mummy
108636 | Zig:24   | Noticed a royal mummy
108637 | Zig:24   | Noticed a royal mummy
108637 | Zig:24   | Killed a royal mummy
108638 | Zig:24   | Killed a royal mummy
108638 | Zig:24   | Killed a royal mummy
108638 | Zig:24   | Killed a royal mummy
108638 | Zig:24   | Killed a royal mummy
108638 | Zig:24   | Noticed a royal mummy
108639 | Zig:24   | Reached skill level 27 in Air Magic
108640 | Zig:24   | Killed a royal mummy
108642 | Zig:24   | Killed a royal mummy
108644 | Zig:24   | Killed a royal mummy
108917 | Zig:24   | Identified the +10 war axe "Beastslayer" {freeze, Will+
                  | Int+2 SInv}
108931 | Zig:24   | Identified the death talisman of the Arcane {+Blink rElec}
108956 | Zig:25   | Entered Level 25 of a ziggurat
108966 | Zig:25   | Reached skill level 5 in Stealth
108984 | Zig:25   | Reached skill level 10 in Stealth
109272 | Zig:25   | Identified the amulet "Iberiz" {RegenMP rC+ Will++ rCorr}
109273 | Zig:25   | Identified the +6 spear of Subterfuge {freeze, Str+3 Int+4}
109281 | Zig:25   | Identified the +8 long sword "Utemog" {flame, +Blink}
109287 | Zig:26   | Entered Level 26 of a ziggurat
109320 | Zig:26   | Reached skill level 27 in Unarmed Combat
109327 | Zig:26   | Reached skill level 15 in Stealth
109327 | Zig:26   | Found the +16 obsidian axe {drain, demonic, Mesm ^Drain Fly
                  | SInv}
109535 | Zig:26   | Identified the amulet "Gijuajie" {rC++ Regen+}
109546 | Zig:26   | Identified the amulet of Orphepp {Spirit rElec rF+ Will+}
109562 | Zig:26   | Identified the orb of Fedhas's Displeasure {*Rage, ^Contam
                  | rN+++ Str+3}
109569 | Zig:27   | Entered Level 27 of a ziggurat
109573 | Zig:27   | Noticed a royal mummy
109573 | Zig:27   | Noticed a royal mummy
109576 | Zig:27   | Noticed a royal mummy
109576 | Zig:27   | Noticed a royal mummy
109577 | Zig:27   | Noticed a royal mummy
109577 | Zig:27   | Noticed a royal mummy
109578 | Zig:27   | Killed a royal mummy
109578 | Zig:27   | Noticed an ancient lich
109578 | Zig:27   | Noticed a royal mummy
109579 | Zig:27   | Noticed a royal mummy
109579 | Zig:27   | Noticed a royal mummy
109579 | Zig:27   | Noticed a royal mummy
109580 | Zig:27   | Noticed a royal mummy
109580 | Zig:27   | Noticed a royal mummy
109581 | Zig:27   | Killed a royal mummy
109581 | Zig:27   | Killed a royal mummy
109581 | Zig:27   | Killed a royal mummy
109581 | Zig:27   | Noticed a royal mummy
109581 | Zig:27   | Noticed a royal mummy
109582 | Zig:27   | Killed a royal mummy
109582 | Zig:27   | Killed a royal mummy
109582 | Zig:27   | Killed a royal mummy
109582 | Zig:27   | Killed an ancient lich
109582 | Zig:27   | Killed a royal mummy
109582 | Zig:27   | Noticed a royal mummy
109582 | Zig:27   | Noticed a royal mummy
109583 | Zig:27   | Killed a royal mummy
109583 | Zig:27   | Killed a royal mummy
109583 | Zig:27   | Killed a royal mummy
109583 | Zig:27   | Killed a royal mummy
109584 | Zig:27   | Killed a royal mummy
109584 | Zig:27   | Killed a royal mummy
109584 | Zig:27   | Killed a royal mummy
109584 | Zig:27   | Killed a royal mummy
109584 | Zig:27   | Noticed a royal mummy
109584 | Zig:27   | Noticed a royal mummy
109585 | Zig:27   | Noticed a royal mummy
109585 | Zig:27   | Noticed a royal mummy
109586 | Zig:27   | Noticed a royal mummy
109587 | Zig:27   | Killed a royal mummy
109587 | Zig:27   | Killed a royal mummy
109587 | Zig:27   | Noticed a royal mummy
109588 | Zig:27   | Killed a royal mummy
109588 | Zig:27   | Killed a royal mummy
109588 | Zig:27   | Noticed a royal mummy
109589 | Zig:27   | Noticed a royal mummy
109589 | Zig:27   | Noticed a royal mummy
109589 | Zig:27   | Noticed a royal mummy
109590 | Zig:27   | Killed a royal mummy
109590 | Zig:27   | Killed a royal mummy
109590 | Zig:27   | Noticed a royal mummy
109591 | Zig:27   | Killed a royal mummy
109591 | Zig:27   | Noticed a royal mummy
109591 | Zig:27   | Killed a royal mummy
109592 | Zig:27   | Noticed a royal mummy
109592 | Zig:27   | Noticed a royal mummy
109592 | Zig:27   | Noticed a royal mummy
109593 | Zig:27   | Killed a royal mummy
109593 | Zig:27   | Killed a royal mummy
109593 | Zig:27   | Killed a royal mummy
109595 | Zig:27   | Killed a royal mummy
109595 | Zig:27   | Killed a royal mummy
109595 | Zig:27   | Killed a royal mummy
109596 | Zig:27   | Killed a royal mummy
109597 | Zig:27   | Noticed a royal mummy
109597 | Zig:27   | Killed a royal mummy
109598 | Zig:27   | Noticed a royal mummy
109599 | Zig:27   | Noticed a royal mummy
109600 | Zig:27   | Noticed a royal mummy
109601 | Zig:27   | Killed a royal mummy
109602 | Zig:27   | Noticed a royal mummy
109603 | Zig:27   | Killed a royal mummy
109604 | Zig:27   | Killed a royal mummy
109607 | Zig:27   | Killed a royal mummy
109608 | Zig:27   | Killed a royal mummy
109957 | Zig:27   | Reached skill level 1 in Translocations
109959 | Zig:27   | Reached skill level 5 in Hexes
109959 | Zig:27   | Reached skill level 5 in Summonings
110023 | Zig:1    | Entered Level 1 of a ziggurat
110028 | Zig:1    | Reached skill level 5 in Alchemy
110046 | Zig:2    | Entered Level 2 of a ziggurat
110096 | Zig:3    | Entered Level 3 of a ziggurat
110121 | Zig:3    | Identified the +0 hand axe of Law {protect, Fly rC+ Str+3}
110128 | Zig:4    | Entered Level 4 of a ziggurat
110129 | Zig:4    | Noticed an orb of fire
110130 | Zig:4    | Noticed an orb of fire
110132 | Zig:4    | Killed an orb of fire
110132 | Zig:4    | Noticed an orb of fire
110133 | Zig:4    | Killed an orb of fire
110140 | Zig:4    | Killed an orb of fire
110146 | Zig:4    | Identified the ring "Biapeloh" {MP+9 Int+2}
110152 | Zig:4    | Identified the +1 ring mail of Instinct {+Blink rN+}
110175 | Zig:5    | Entered Level 5 of a ziggurat
110177 | Zig:5    | Noticed an ancient lich
110177 | Zig:5    | Noticed a dread lich
110178 | Zig:5    | Killed an ancient lich
110180 | Zig:5    | Killed a dread lich
110182 | Zig:5    | Reached skill level 5 in Translocations
110232 | Zig:6    | Entered Level 6 of a ziggurat
110238 | Zig:6    | Noticed an ancient lich
110240 | Zig:6    | Killed an ancient lich
110242 | Zig:6    | Reached skill level 27 in Stealth
110299 | Zig:6    | Identified the +11 orcbow of Hubunes {antimagic, +Blink
                  | rPois rC- Dex+3}
110302 | Zig:6    | Identified the +2 leather armour of the Wheelwright {rPois
                  | Str+3 Stlth-}
110307 | Zig:7    | Entered Level 7 of a ziggurat
110317 | Zig:7    | Reached skill level 10 in Hexes
110317 | Zig:7    | Reached skill level 10 in Summonings
110378 | Zig:7    | Identified the +10 long sword of the Vine {distort, Dex+4}
110384 | Zig:8    | Entered Level 8 of a ziggurat
110388 | Zig:8    | Noticed an ancient lich
110389 | Zig:8    | Reached skill level 10 in Alchemy
110389 | Zig:8    | Killed an ancient lich
110390 | Zig:8    | Noticed an ancient lich
110392 | Zig:8    | Noticed an ancient lich
110393 | Zig:8    | Killed an ancient lich
110393 | Zig:8    | Killed an ancient lich
110396 | Zig:8    | Found the +3 Elemental Staff {ele, rElec rF+ rC+ AC+3}
110448 | Zig:8    | Identified the ring "Ruathrumy" {Fire Int+3}
110461 | Zig:8    | Identified the +5 morningstar of Checks and Balances {vamp,
                  | Str+4}
110464 | Zig:9    | Entered Level 9 of a ziggurat
110468 | Zig:9    | Noticed Oschode the pandemonium lord
110468 | Zig:9    | Noticed Waoquluo the pandemonium lord
110468 | Zig:9    | Noticed Iwnyta the pandemonium lord
110469 | Zig:9    | Noticed Jopn the pandemonium lord
110471 | Zig:9    | Noticed Kecwiv the pandemonium lord
110472 | Zig:9    | Killed Oschode the pandemonium lord
110472 | Zig:9    | Killed Iwnyta the pandemonium lord
110472 | Zig:9    | Killed Jopn the pandemonium lord
110472 | Zig:9    | Noticed Itsuinov the pandemonium lord
110473 | Zig:9    | Killed Kecwiv the pandemonium lord
110473 | Zig:9    | Noticed Juxt the pandemonium lord
110474 | Zig:9    | Killed Waoquluo the pandemonium lord
110474 | Zig:9    | Noticed Unumuari the pandemonium lord
110476 | Zig:9    | Noticed Kimnid the pandemonium lord
110476 | Zig:9    | Noticed Kihior the pandemonium lord
110479 | Zig:9    | Killed Juxt the pandemonium lord
110479 | Zig:9    | Killed Kimnid the pandemonium lord
110479 | Zig:9    | Killed Unumuari the pandemonium lord
110481 | Zig:9    | Killed Itsuinov the pandemonium lord
110483 | Zig:9    | Killed Kihior the pandemonium lord
110593 | Zig:9    | Identified the +8 fire dragon scales of the Elephant {-Cast
                  | Harm rF++ rC- Will+++ Int-4}
110618 | Zig:10   | Entered Level 10 of a ziggurat
110626 | Zig:10   | Noticed a juggernaut
110627 | Zig:10   | Killed a juggernaut
110629 | Zig:10   | Found the +8 autumn katana {manifold assault}
110768 | Zig:10   | Identified the staff "Ganisoek" {rN+ Dex+2 Necro}
110788 | Zig:10   | Identified the +2 hand axe "Wofiuj" {protect, rN+ Dex+3}
110791 | Zig:11   | Entered Level 11 of a ziggurat
110797 | Zig:11   | Reached skill level 15 in Necromancy
110944 | Zig:12   | Entered Level 12 of a ziggurat
110957 | Zig:12   | Reached skill level 10 in Translocations
110957 | Zig:12   | Found the +3 crown of Dyrovepreva {rElec Int+2 SInv}
111055 | Zig:12   | Identified the amulet of Amelioration {rF- rC+ Regen+
                  | Str+3}
111060 | Zig:12   | Identified the ring "Bokecyol" {^Drain rN++ EV+5 Slay+5}
111080 | Zig:13   | Entered Level 13 of a ziggurat
111085 | Zig:13   | Noticed an ancient lich
111086 | Zig:13   | Noticed an ancient lich
111087 | Zig:13   | Noticed an ancient lich
111087 | Zig:13   | Noticed an ancient lich
111088 | Zig:13   | Killed an ancient lich
111089 | Zig:13   | Reached skill level 15 in Hexes
111089 | Zig:13   | Killed an ancient lich
111089 | Zig:13   | Killed an ancient lich
111089 | Zig:13   | Killed an ancient lich
111090 | Zig:13   | Noticed a dread lich
111091 | Zig:13   | Noticed a dread lich
111091 | Zig:13   | Noticed an ancient lich
111092 | Zig:13   | Killed a dread lich
111093 | Zig:13   | Killed a dread lich
111093 | Zig:13   | Killed an ancient lich
111093 | Zig:13   | Noticed a dread lich
111098 | Zig:13   | Killed a dread lich
111193 | Zig:13   | Identified the +0 ring mail "Kungem" {Harm ^Drain rPois
                  | rC++}
111198 | Zig:14   | Entered Level 14 of a ziggurat
111206 | Zig:14   | Reached skill level 15 in Alchemy
111208 | Zig:14   | Reached skill level 15 in Summonings
111305 | Zig:14   | Found the ring of Shadows {Umbra +Inv Stlth+}
111324 | Zig:14   | Found the +11 Singing Sword {sonic wave}
111445 | Zig:15   | Entered Level 15 of a ziggurat
111451 | Zig:15   | Noticed an ancient lich
111451 | Zig:15   | Noticed an ancient lich
111451 | Zig:15   | Noticed a dread lich
111451 | Zig:15   | Noticed an ancient lich
111453 | Zig:15   | Noticed a dread lich
111453 | Zig:15   | Noticed a dread lich
111454 | Zig:15   | Noticed a dread lich
111455 | Zig:15   | Killed an ancient lich
111455 | Zig:15   | Killed a dread lich
111455 | Zig:15   | Killed a dread lich
111455 | Zig:15   | Killed an ancient lich
111456 | Zig:15   | Killed an ancient lich
111456 | Zig:15   | Killed a dread lich
111458 | Zig:15   | Noticed a dread lich
111458 | Zig:15   | Killed a dread lich
111459 | Zig:15   | Noticed an ancient lich
111459 | Zig:15   | Found the +11 plutonium sword {^Contam Stlth-}
111460 | Zig:15   | Killed an ancient lich
111461 | Zig:15   | Killed a dread lich
111561 | Zig:15   | Identified the staff of Doptodec {rElec Stlth+ Air}
111563 | Zig:15   | Identified the +1 chain mail of Rino {Int+5}
111567 | Zig:15   | Identified the +6 fire dragon scales of Instinct {*Corrode
                  | rF++ rC- Str+4}
111592 | Zig:15   | Identified the ring of Venaokhlo {Fire rPois rN+ Int+3}
111609 | Zig:16   | Entered Level 16 of a ziggurat
111626 | Zig:16   | Found the +3 pair of gauntlets of War {Slay+5}
111832 | Zig:16   | Identified the ring "Sorphodwi" {rN+ Int+2 Dex+2}
111842 | Zig:16   | Acquired 522 gold pieces
111848 | Zig:16   | Identified the amulet "Duakho" {rElec rPois Regen+ Str-4
                  | Int+4}
111857 | Zig:17   | Entered Level 17 of a ziggurat
111872 | Zig:17   | Reached skill level 15 in Long Blades
112039 | Zig:17   | Identified the +2 chain mail of the Trilobite {rF+}
112040 | Zig:17   | Identified the +0 ring mail of Urriciz {rCorr}
112047 | Zig:17   | Identified the +0 robe of Disguise {rF+ rC+ Regen+ Str+2}
112049 | Zig:18   | Entered Level 18 of a ziggurat
112050 | Zig:18   | Noticed a juggernaut
112050 | Zig:18   | Noticed a juggernaut
112051 | Zig:18   | Noticed a juggernaut
112055 | Zig:18   | Killed a juggernaut
112055 | Zig:18   | Killed a juggernaut
112058 | Zig:18   | Killed a juggernaut
112059 | Zig:18   | Noticed a juggernaut
112062 | Zig:18   | Killed a juggernaut
112330 | Zig:18   | Identified the +9 flail "Spider's Doom" {freeze, rC+ Str+4
                  | Int+2}
112347 | Zig:18   | Identified the +6 falchion of Growth {holy, rF+}
112350 | Zig:18   | Identified the +0 pair of gloves of the Mind {Will+}
112362 | Zig:18   | Identified the amulet "Lounk" {Harm *Corrode rC+ Regen+}
112367 | Zig:18   | Identified the ring "Lyosuhi" {rPois rC+ rN+ Will- Dex+2}
112379 | Zig:18   | Identified the ring "Ocycvaga" {Fly rF+ Int+8}
112387 | Zig:19   | Entered Level 19 of a ziggurat
112589 | Zig:19   | Identified the staff "Dragon's Tongue" {rN+ Str-3 Dex-2
                  | Conj Necro Alchemy}
112628 | Zig:19   | Identified the staff of Conversion {rElec rF+ Dex-4 Tloc
                  | Fire}
112682 | Zig:20   | Entered Level 20 of a ziggurat
112863 | Zig:20   | Identified the ring "Cosoireg" {EV+5 Str+3 Dex+3}
112868 | Zig:20   | Identified the +7 battleaxe "Gacudak" {flame, rN+}
112870 | Zig:20   | Identified the +2 bardiche of the Sage {freeze, rC- rN+
                  | SInv}
112872 | Zig:20   | Identified the +8 short sword of Profit {freeze, rElec
                  | rF+++ Will- Str-5}
112876 | Zig:20   | Identified the +0 pair of boots of Spite {rF+ rN+ Str+4
                  | Dex+2}
112924 | Zig:20   | Identified the +12 plate armour of Untold Secrets {rCorr}
112934 | Zig:20   | Identified the staff of Zogg {rC++ Will+ Ice Earth}
112941 | Zig:21   | Entered Level 21 of a ziggurat
113052 | Zig:21   | Learned a level 5 spell: Yara's Violent Unravelling
113268 | Zig:21   | Identified the ring "Des Waec" {+Blink Fly rElec Will+
                  | Slay-6}
113275 | Zig:21   | Identified the staff of Tomorrow {^Contam rElec rPois Will+
                  | Alchemy}
113276 | Zig:21   | Identified the +5 spear "Koemezxo" {spect, rF+ Str+3}
113282 | Zig:22   | Entered Level 22 of a ziggurat
113298 | Zig:22   | Reached skill level 27 in Long Blades
113514 | Zig:22   | Identified the staff "Cesynof" {rElec Int+3 Fire Air}
113529 | Zig:22   | Identified the ring "Beqohan" {Fly rC+++ MP+9 Slay-4 SInv}
113541 | Zig:22   | Identified the +6 triple crossbow "Diratoxki" {heavy,
                  | Will+++ Str+3 Int-3 Dex+6}
113544 | Zig:22   | Identified the ring "Sabom" {rF+ AC+4 Str+5}
113550 | Zig:22   | Identified the staff of Bile {rN+ Str+5 Necro}
113555 | Zig:23   | Entered Level 23 of a ziggurat
113915 | Zig:23   | Identified the +0 plate armour of Lust {rPois Regen+ Int-2}
113930 | Zig:23   | Identified the ring "Ydoulein" {rElec rN+ rCorr Str+4
                  | Int+3}
113931 | Zig:23   | Identified the staff "Rauxytt" {Will+ Earth}
113936 | Zig:23   | Identified the amulet "Ahoyss" {Acrobat *Corrode rElec rF++
                  | Int+2 SInv}
113945 | Zig:24   | Entered Level 24 of a ziggurat
113950 | Zig:24   | Noticed Nypo the pandemonium lord
113951 | Zig:24   | Noticed Utyaren the pandemonium lord
113952 | Zig:24   | Noticed Qoamoos the pandemonium lord
113954 | Zig:24   | Killed Qoamoos the pandemonium lord
113955 | Zig:24   | Noticed Puarigai the pandemonium lord
113955 | Zig:24   | Noticed Gesammea the pandemonium lord
113955 | Zig:24   | Noticed Oxissos the pandemonium lord
113956 | Zig:24   | Noticed Jouvur the pandemonium lord
113956 | Zig:24   | Noticed Wenlet Fesu the pandemonium lord
113958 | Zig:24   | Noticed Liunag the pandemonium lord
113958 | Zig:24   | Noticed Suskya the pandemonium lord
113958 | Zig:24   | Noticed Amer the pandemonium lord
113958 | Zig:24   | Noticed Mevud the pandemonium lord
113958 | Zig:24   | Noticed Koapineo the pandemonium lord
113958 | Zig:24   | Noticed Rumpodd the pandemonium lord
113959 | Zig:24   | Killed Utyaren the pandemonium lord
113959 | Zig:24   | Noticed Zucheuho the pandemonium lord
113959 | Zig:24   | Noticed Fiaj Rot the pandemonium lord
113959 | Zig:24   | Noticed Door Ofa the pandemonium lord
113959 | Zig:24   | Noticed Intiler the pandemonium lord
113960 | Zig:24   | Killed Nypo the pandemonium lord
113960 | Zig:24   | Killed Liunag the pandemonium lord
113960 | Zig:24   | Killed Puarigai the pandemonium lord
113960 | Zig:24   | Killed Amer the pandemonium lord
113960 | Zig:24   | Noticed Vagaazisch the pandemonium lord
113960 | Zig:24   | Noticed Esyisuad the pandemonium lord
113961 | Zig:24   | Killed Suskya the pandemonium lord
113962 | Zig:24   | Noticed Ximock Seno the pandemonium lord
113962 | Zig:24   | Killed Wenlet Fesu the pandemonium lord
113962 | Zig:24   | Killed Oxissos the pandemonium lord
113962 | Zig:24   | Killed Gesammea the pandemonium lord
113963 | Zig:24   | Reached skill level 15 in Translocations
113963 | Zig:24   | Noticed Irghon the pandemonium lord
113963 | Zig:24   | Killed Mevud the pandemonium lord
113963 | Zig:24   | Killed Zucheuho the pandemonium lord
113963 | Zig:24   | Killed Intiler the pandemonium lord
113963 | Zig:24   | Killed Door Ofa the pandemonium lord
113963 | Zig:24   | Noticed Copoigok the pandemonium lord
113963 | Zig:24   | Noticed Cetsof the pandemonium lord
113964 | Zig:24   | Killed Rumpodd the pandemonium lord
113964 | Zig:24   | Killed Jouvur the pandemonium lord
113965 | Zig:24   | Noticed Addakhonn the pandemonium lord
113965 | Zig:24   | Noticed Meojen the pandemonium lord
113965 | Zig:24   | Noticed Dompud the pandemonium lord
113966 | Zig:24   | Noticed Deuxewkipn the pandemonium lord
113966 | Zig:24   | Noticed Veyly the pandemonium lord
113966 | Zig:24   | Killed Meojen the pandemonium lord
113967 | Zig:24   | Killed Fiaj Rot the pandemonium lord
113968 | Zig:24   | Killed Cetsof the pandemonium lord
113968 | Zig:24   | Killed Irghon the pandemonium lord
113968 | Zig:24   | Killed Esyisuad the pandemonium lord
113968 | Zig:24   | Noticed Wyvaghut the pandemonium lord
113969 | Zig:24   | Killed Deuxewkipn the pandemonium lord
113969 | Zig:24   | Noticed Hurusk the pandemonium lord
113970 | Zig:24   | Killed Copoigok the pandemonium lord
113970 | Zig:24   | Killed Addakhonn the pandemonium lord
113970 | Zig:24   | Killed Hurusk the pandemonium lord
113970 | Zig:24   | Killed Veyly the pandemonium lord
113970 | Zig:24   | Killed Vagaazisch the pandemonium lord
113970 | Zig:24   | Noticed Waubbif the pandemonium lord
113970 | Zig:24   | Killed Ximock Seno the pandemonium lord
113971 | Zig:24   | Noticed Tinwoy the pandemonium lord
113972 | Zig:24   | Noticed Zamm the pandemonium lord
113973 | Zig:24   | Killed Wyvaghut the pandemonium lord
113974 | Zig:24   | Killed Dompud the pandemonium lord
113974 | Zig:24   | Killed Koapineo the pandemonium lord
113974 | Zig:24   | Killed Zamm the pandemonium lord
113974 | Zig:24   | Noticed Jeumuhoe the pandemonium lord
113975 | Zig:24   | Noticed Bopov the pandemonium lord
113975 | Zig:24   | Noticed Lizom the pandemonium lord
113976 | Zig:24   | Killed Bopov the pandemonium lord
113976 | Zig:24   | Noticed Keuseu Ceoce the pandemonium lord
113977 | Zig:24   | Killed Jeumuhoe the pandemonium lord
113980 | Zig:24   | Noticed Fepeafy the pandemonium lord
113982 | Zig:24   | Killed Tinwoy the pandemonium lord
113982 | Zig:24   | Noticed Otryl the pandemonium lord
113983 | Zig:24   | Killed Waubbif the pandemonium lord
113984 | Zig:24   | Noticed Sischepa the pandemonium lord
113987 | Zig:24   | Killed Otryl the pandemonium lord
113987 | Zig:24   | Killed Lizom the pandemonium lord
113987 | Zig:24   | Killed Keuseu Ceoce the pandemonium lord
113987 | Zig:24   | Killed Sischepa the pandemonium lord
113989 | Zig:24   | Killed Fepeafy the pandemonium lord
114195 | Zig:24   | Identified the staff "Spiderslayer" {rElec Int+6 Conj Air}
114199 | Zig:25   | Entered Level 25 of a ziggurat
114484 | Zig:25   | Identified the +4 hand axe of Purpose {vamp, rF+ rN+++
                  | Str+4 Dex-3}
114492 | Zig:25   | Identified the +1 plate armour of Wu Jian's Wrath {rC-
                  | Regen+ Str+3}
114508 | Zig:25   | Identified the amulet of the Queen {Faith rCorr}
114515 | Zig:25   | Identified the amulet of Ixkuiw {Acrobat SInv}
114522 | Zig:25   | Identified the staff of Extremism {^Drain rC+ Str+9 Dex+3
                  | Summ Ice}
114526 | Zig:26   | Entered Level 26 of a ziggurat
114557 | Zig:26   | Found the +5 robe of Night {Dark Will+ SInv}
114558 | Zig:26   | Found the ring of the Octopus King
114867 | Zig:26   | Identified the +1 chain mail "Keuquguj" {+Blink Str+5
                  | Int-3}
114879 | Zig:26   | Identified a ring of the Octopus King {Wiz HP+2 AC+2 EV+2
                  | SH+2}
114882 | Zig:26   | Identified the +5 falchion of the Depths {protect, rPois
                  | rCorr}
114888 | Zig:27   | Entered Level 27 of a ziggurat
114927 | Zig:27   | Found the +7 hand cannon "Mule" {flame, backblast, rF+}
115213 | Zig:27   | Identified the +7 dagger "Leojil" {flame, rF- Will+ Str+2
                  | Int+2}
115215 | Zig:27   | Identified the +0 mace "Qarghimu" {freeze, Dex+4}
115221 | Zig:27   | Identified the maw talisman "Suyhol" {*Corrode rC+ Str+2}
115264 | Zig:27   | Identified the +2 robe of Lushruli {Stlth+}
115271 | Zig:27   | Identified the ring "Itokkemn" {rElec Will+ Str+3 Int+6}
115432 | Depths:2 | Voluntarily entered the Abyss.
115444 | Abyss:5  | Found a corrupted altar of Lugonu.
115465 | Depths:2 | Escaped the Abyss
115589 | Depths:3 | Voluntarily entered the Abyss.
115709 | Abyss:6  | Noticed an ancient lich
115715 | Abyss:6  | Killed an ancient lich
115782 | Abyss:6  | Reached skill level 5 in Axes
115812 | Abyss:6  | Reached skill level 10 in Axes
115828 | Abyss:6  | Noticed an ancient lich
115832 | Abyss:6  | Killed an ancient lich
115866 | Abyss:7  | Entered Level 7 of the Abyss
115866 | Abyss:7  | Found a corrupted altar of Lugonu.
115896 | Depths:3 | Escaped the Abyss
115966 | Depths:3 | Learned a level 4 spell: Passage of Golubria
115979 | Depths:3 | Learned a level 9 spell: Chain Lightning
115981 | Depths:3 | Learned a level 1 spell: Apportation
115995 | Depths:3 | Lost mutation: You passively dampen the noise of your
                  | surroundings. [potion of mutation]
115995 | Depths:3 | Lost mutation: Your mind is acute. (Int +4, Str/Dex -1)
                  | [potion of mutation]
115995 | Depths:3 | Lost mutation: You are partially covered in large bone
                  | plates. (SH +4) [potion of mutation]
115995 | Depths:3 | Gained mutation: You have sharp toenails. [potion of
                  | mutation]
115995 | Depths:3 | Gained mutation: Your spells are a little harder to cast,
                  | but a little more powerful. [potion of mutation]
115996 | Depths:3 | Lost mutation: Your spells are a little harder to cast, but
                  | a little more powerful. [potion of mutation]
115996 | Depths:3 | Lost mutation: You have sharp toenails. [potion of
                  | mutation]
115996 | Depths:3 | Gained mutation: You have a pair of small antennae on your
                  | head. [potion of mutation]
115996 | Depths:3 | Gained mutation: Your flesh is heat resistant. (rF+)
                  | [potion of mutation]
115997 | Depths:3 | Lost mutation: You have a pair of small antennae on your
                  | head. [potion of mutation]
115997 | Depths:3 | Lost mutation: Your flesh is heat resistant. (rF+) [potion
                  | of mutation]
115997 | Depths:3 | Gained mutation: Armour fits poorly on your strangely
                  | shaped body. [potion of mutation]
115997 | Depths:3 | Gained mutation: Potions are less effective at restoring
                  | your health. [potion of mutation]
115998 | Depths:3 | Lost mutation: Potions are less effective at restoring your
                  | health. [potion of mutation]
115998 | Depths:3 | Lost mutation: Armour fits poorly on your strangely shaped
                  | body. [potion of mutation]
115998 | Depths:3 | Gained mutation: You are occasionally teleported next to
                  | monsters. [potion of mutation]
115998 | Depths:3 | Gained mutation: You have a somewhat thin skeletal
                  | structure. (Dex +2, Stealth+) [potion of mutation]
115999 | Depths:3 | Lost mutation: You are occasionally teleported next to
                  | monsters. [potion of mutation]
115999 | Depths:3 | Lost mutation: You have a somewhat thin skeletal structure.
                  | (Dex +2, Stealth+) [potion of mutation]
115999 | Depths:3 | Gained mutation: You are weak. (Str -2) [potion of
                  | mutation]
115999 | Depths:3 | Gained mutation: Your natural rate of healing is unusually
                  | fast. [potion of mutation]
116000 | Depths:3 | Lost mutation: You are weak. (Str -2) [potion of mutation]
116000 | Depths:3 | Lost mutation: Your natural rate of healing is unusually
                  | fast. [potion of mutation]
116000 | Depths:3 | Gained mutation: Your flesh is cold resistant. (rC+)
                  | [potion of mutation]
116001 | Depths:3 | Lost mutation: Your flesh is cold resistant. (rC+) [potion
                  | of mutation]
116001 | Depths:3 | Gained mutation: Your spells are a little harder to cast,
                  | but a little more powerful. [potion of mutation]
116001 | Depths:3 | Gained mutation: You occasionally lose the ability to drink
                  | potions when taking damage. [potion of mutation]
116001 | Depths:3 | Gained mutation: Your flesh is heat resistant. (rF+)
                  | [potion of mutation]
116001 | Depths:3 | Gained mutation: You have hidden genetic potential. [potion
                  | of mutation]
116002 | Depths:3 | Lost mutation: You occasionally lose the ability to drink
                  | potions when taking damage. [potion of mutation]
116002 | Depths:3 | Lost mutation: You have hidden genetic potential. [potion
                  | of mutation]
116002 | Depths:3 | Gained mutation: Your spells are harder to cast, but more
                  | powerful. [potion of mutation]
116002 | Depths:3 | Gained mutation: You passively map a small area around you.
                  | [potion of mutation]
116003 | Depths:3 | Lost mutation: Your spells are harder to cast, but more
                  | powerful. [potion of mutation]
116003 | Depths:3 | Lost mutation: You passively map a small area around you.
                  | [potion of mutation]
116003 | Depths:3 | Lost mutation: Your flesh is heat resistant. (rF+) [potion
                  | of mutation]
116003 | Depths:3 | Gained mutation: You have a pair of small horns on your
                  | head. [potion of mutation]
116003 | Depths:3 | Gained mutation: You are frail. (-10% HP) [potion of
                  | mutation]
116004 | Depths:3 | Lost mutation: You are frail. (-10% HP) [potion of
                  | mutation]
116004 | Depths:3 | Lost mutation: You have a pair of small horns on your head.
                  | [potion of mutation]
116004 | Depths:3 | Lost mutation: Your spells are a little harder to cast, but
                  | a little more powerful. [potion of mutation]
116004 | Depths:3 | Gained mutation: You are agile. (Dex +4, Str/Int -1)
                  | [potion of mutation]
116004 | Depths:3 | Gained mutation: You have large cloven feet. [potion of
                  | mutation]
116005 | Depths:3 | Lost mutation: You have large cloven feet. [potion of
                  | mutation]
116005 | Depths:3 | Lost mutation: You are agile. (Dex +4, Str/Int -1) [potion
                  | of mutation]
116005 | Depths:3 | Gained mutation: You passively map a small area around you.
                  | [potion of mutation]
116006 | Depths:3 | Lost mutation: You passively map a small area around you.
                  | [potion of mutation]
116006 | Depths:3 | Gained mutation: You have sharp toenails. [potion of
                  | mutation]
116006 | Depths:3 | Gained mutation: You possess an exceptional clarity of
                  | mind. [potion of mutation]
116007 | Depths:3 | Lost mutation: You have sharp toenails. [potion of
                  | mutation]
116007 | Depths:3 | Lost mutation: You possess an exceptional clarity of mind.
                  | [potion of mutation]
116007 | Depths:3 | Gained mutation: Your movements are slightly less
                  | encumbered by armour. (ER -2) [potion of mutation]
116007 | Depths:3 | Gained mutation: Your muscles are strong. (Str +4, Int/Dex
                  | -1) [potion of mutation]
116008 | Depths:3 | Lost mutation: Your muscles are strong. (Str +4, Int/Dex
                  | -1) [potion of mutation]
116008 | Depths:3 | Lost mutation: Your movements are slightly less encumbered
                  | by armour. (ER -2) [potion of mutation]
116008 | Depths:3 | Gained mutation: You are vulnerable to cold. (rC-) [potion
                  | of mutation]
116008 | Depths:3 | Gained mutation: You occasionally lose the ability to drink
                  | potions when taking damage. [potion of mutation]
116008 | Depths:3 | Gained mutation: Your movements are slightly less
                  | encumbered by armour. (ER -2) [potion of mutation]
116009 | Depths:3 | Lost mutation: Your movements are slightly less encumbered
                  | by armour. (ER -2) [potion of mutation]
116009 | Depths:3 | Lost mutation: You occasionally lose the ability to drink
                  | potions when taking damage. [potion of mutation]
116009 | Depths:3 | Gained mutation: You expend magic power (3 MP) to
                  | strengthen your wands. [potion of mutation]
116010 | Depths:3 | Lost mutation: You are vulnerable to cold. (rC-) [potion of
                  | mutation]
116010 | Depths:3 | Lost mutation: You expend magic power (3 MP) to strengthen
                  | your wands. [potion of mutation]
116010 | Depths:3 | Gained mutation: You are frail. (-10% HP) [potion of
                  | mutation]
116010 | Depths:3 | Gained mutation: You have hidden genetic defects. [potion
                  | of mutation]
116011 | Depths:3 | Lost mutation: You are frail. (-10% HP) [potion of
                  | mutation]
116011 | Depths:3 | Lost mutation: You have hidden genetic defects. [potion of
                  | mutation]
116011 | Depths:3 | Gained mutation: You are strong-willed. (Will+) [potion of
                  | mutation]
116012 | Depths:3 | Lost mutation: You are strong-willed. (Will+) [potion of
                  | mutation]
116012 | Depths:3 | Gained mutation: You have large cloven feet. [potion of
                  | mutation]
116012 | Depths:3 | Gained mutation: You have a somewhat thin skeletal
                  | structure. (Dex +2, Stealth+) [potion of mutation]
116013 | Depths:3 | Lost mutation: You have a somewhat thin skeletal structure.
                  | (Dex +2, Stealth+) [potion of mutation]
116013 | Depths:3 | Lost mutation: You have large cloven feet. [potion of
                  | mutation]
116013 | Depths:3 | Gained mutation: You are robust. (+10% HP) [potion of
                  | mutation]
116013 | Depths:3 | Gained mutation: Your spells are a little harder to cast,
                  | but a little more powerful. [potion of mutation]
116013 | Depths:3 | Gained mutation: You are strong-willed. (Will+) [potion of
                  | mutation]
116013 | Depths:3 | Gained mutation: You are agile. (Dex +4, Str/Int -1)
                  | [potion of mutation]
116014 | Depths:3 | Lost mutation: You are agile. (Dex +4, Str/Int -1) [potion
                  | of mutation]
116014 | Depths:3 | Lost mutation: You are robust. (+10% HP) [potion of
                  | mutation]
116014 | Depths:3 | Lost mutation: You are strong-willed. (Will+) [potion of
                  | mutation]
116014 | Depths:3 | Gained mutation: You have an increased reservoir of magic.
                  | (+10% MP) [potion of mutation]
116015 | Depths:3 | Lost mutation: Your spells are a little harder to cast, but
                  | a little more powerful. [potion of mutation]
116015 | Depths:3 | Lost mutation: You have an increased reservoir of magic.
                  | (+10% MP) [potion of mutation]
116015 | Depths:3 | Gained mutation: You passively map a small area around you.
                  | [potion of mutation]
116015 | Depths:3 | Gained mutation: You have a pair of small horns on your
                  | head. [potion of mutation]
116016 | Depths:3 | Lost mutation: You have a pair of small horns on your head.
                  | [potion of mutation]
116016 | Depths:3 | Lost mutation: You passively map a small area around you.
                  | [potion of mutation]
116016 | Depths:3 | Gained mutation: Your mind is acute. (Int +4, Str/Dex -1)
                  | [potion of mutation]
116016 | Depths:3 | Gained mutation: You are robust. (+10% HP) [potion of
                  | mutation]
116016 | Depths:3 | Gained mutation: You have a somewhat thin skeletal
                  | structure. (Dex +2, Stealth+) [potion of mutation]
116016 | Depths:3 | Gained mutation: Your mind is very acute. (Int +8, Str/Dex
                  | -2) [potion of mutation]
116038 | Zig:1    | Entered Level 1 of a ziggurat
116060 | Zig:2    | Entered Level 2 of a ziggurat
116064 | Zig:2    | Reached skill level 15 in Axes
116100 | Zig:3    | Entered Level 3 of a ziggurat
116102 | Zig:3    | Noticed Petiqair the pandemonium lord
116108 | Zig:3    | Killed Petiqair the pandemonium lord
116162 | Zig:4    | Entered Level 4 of a ziggurat
116227 | Zig:4    | Identified the +10 short sword of the Desert {spect, Str+8
                  | Dex+5 Stlth-}
116241 | Zig:5    | Entered Level 5 of a ziggurat
116243 | Zig:5    | Noticed Bofeytas the pandemonium lord
116244 | Zig:5    | Noticed Couroikh the pandemonium lord
116245 | Zig:5    | Noticed Kounua the pandemonium lord
116246 | Zig:5    | Noticed Kagah the pandemonium lord
116247 | Zig:5    | Killed Couroikh the pandemonium lord
116250 | Zig:5    | Killed Bofeytas the pandemonium lord
116256 | Zig:5    | Killed Kagah the pandemonium lord
116256 | Zig:5    | Killed Kounua the pandemonium lord
116296 | Zig:5    | Identified the staff of the Doomed Warrior {rElec rPois rF-
                  | Int+8 Alchemy}
116349 | Zig:6    | Entered Level 6 of a ziggurat
116460 | Zig:7    | Entered Level 7 of a ziggurat
116515 | Zig:7    | Identified the amulet "Zurchoe" {Faith Slay+3}
116592 | Zig:8    | Entered Level 8 of a ziggurat
116716 | Zig:8    | Identified the +10 flail of Vanity {flame, Str+3}
116720 | Zig:8    | Identified the +0 short sword "Saklyffa" {chaos, rC++ Int+3
                  | Dex+3}
116726 | Zig:9    | Entered Level 9 of a ziggurat
116743 | Zig:9    | Found the +7 lajatang of Order {silver, rMut}
116777 | Zig:9    | Identified the amulet of Jutraaf {RegenMP rF++}
116779 | Zig:9    | Identified the +5 shortbow of Gin and Tonic {heavy, rPois}
116887 | Zig:10   | Entered Level 10 of a ziggurat
117020 | Zig:10   | Identified the amulet "Vaoci" {Acrobat Will+}
117037 | Zig:10   | Identified the staff "Kaomelawi" {+Blink Fly rN+ Int+2
                  | Necro}
117042 | Zig:10   | Identified the +3 longbow "Hyil" {flame, rF+ Will+ Str-2
                  | Int+3}
117046 | Zig:10   | Identified the staff "Hell-Harrower" {Will+ Earth}
117085 | Zig:11   | Entered Level 11 of a ziggurat
117086 | Zig:11   | Noticed a royal mummy
117087 | Zig:11   | Noticed a royal mummy
117087 | Zig:11   | Noticed a royal mummy
117087 | Zig:11   | Noticed a royal mummy
117090 | Zig:11   | Killed a royal mummy
117090 | Zig:11   | Killed a royal mummy
117090 | Zig:11   | Noticed a royal mummy
117090 | Zig:11   | Noticed a royal mummy
117092 | Zig:11   | Killed a royal mummy
117092 | Zig:11   | Killed a royal mummy
117093 | Zig:11   | Noticed a royal mummy
117094 | Zig:11   | Killed a royal mummy
117094 | Zig:11   | Killed a royal mummy
117097 | Zig:11   | Killed a royal mummy
117097 | Zig:11   | Noticed a royal mummy
117098 | Zig:11   | Noticed a royal mummy
117101 | Zig:11   | Killed a royal mummy
117101 | Zig:11   | Killed a royal mummy
117151 | Zig:11   | Identified the +1 robe "Dotuisuwk" {rElec}
117152 | Zig:11   | Identified the amulet "Ohuorer" {Regen+ Int+3}
117154 | Zig:11   | Identified the ring of Cuemn {Wiz rPois rC- Dex+5}
117162 | Zig:11   | Identified the ring of Uxkoinai {rF+ rCorr}
117167 | Zig:11   | Identified the ring of the Harvest {rC+ rN+ Str+5 Int-4}
117173 | Zig:11   | Identified the ring "Heschodeu" {Will+ Str+3 SInv}
117303 | Zig:11   | Identified the staff of Dissent {^Drain +Blink rPois rF+
                  | Fire Air}
117316 | Zig:12   | Entered Level 12 of a ziggurat
117335 | Zig:12   | Found the amulet of the Air {Inacc Air Fly rElec RMsl}
117472 | Zig:12   | Identified the ring "Fyklimio" {rF+++ rN+ Str+4 Int-4}
117488 | Zig:12   | Identified the +1 shortbow "Nilit" {freeze, Dex+3}
117496 | Zig:12   | Identified the +6 falchion of Yserera {venom, rPois Int+5
                  | SInv}
117516 | Zig:13   | Entered Level 13 of a ziggurat
117528 | Zig:13   | Reached skill level 27 in Axes
117530 | Zig:13   | Reached skill level 1 in Short Blades
117530 | Zig:13   | Reached skill level 1 in Maces & Flails
117530 | Zig:13   | Reached skill level 1 in Polearms
117530 | Zig:13   | Reached skill level 1 in Ranged Weapons
117538 | Zig:13   | Found the +9 staff of Olgreb {rPois∞}
117721 | Zig:14   | Entered Level 14 of a ziggurat
117737 | Zig:14   | Reached skill level 5 in Short Blades
117737 | Zig:14   | Reached skill level 5 in Polearms
117738 | Zig:14   | Reached skill level 5 in Ranged Weapons
117740 | Zig:14   | Found the +2 Maxwell's thermic engine {flame, freeze, rev}
117925 | Zig:14   | Identified the +2 morningstar "Pyesyedo" {spect, rN+}
117928 | Zig:14   | Identified the +5 sling "Kanenob" {drain, rElec Will+
                  | rCorr}
117955 | Zig:15   | Entered Level 15 of a ziggurat
117972 | Zig:15   | Reached skill level 5 in Maces & Flails
117975 | Zig:15   | Found the ring of the Octopus King
118043 | Zig:15   | Identified the +1 halberd "Xozxoeko" {pain, rCorr}
118046 | Zig:15   | Identified the +5 scale mail "Affisesk" {rF+ rC+}
118048 | Zig:15   | Identified the ring "Hure Yde" {rF+ rC+ rN+ Will- SInv}
118050 | Zig:15   | Identified a ring of the Octopus King {Fly HP+2 AC+2 EV+2
                  | SH+2}
118061 | Zig:15   | Identified the maw talisman "Munavve" {*Slow rElec rN+}
118067 | Zig:15   | Identified the +8 orcbow of Kakkytey {speed, rF+ Int+6}
118123 | Zig:15   | Identified the +9 halberd of Defiance {pain, Str+4 Int-3}
118254 | Zig:16   | Entered Level 16 of a ziggurat
118254 | Zig:16   | Noticed a royal mummy
118254 | Zig:16   | Noticed a royal mummy
118254 | Zig:16   | Noticed a royal mummy
118255 | Zig:16   | Killed a royal mummy
118255 | Zig:16   | Killed a royal mummy
118256 | Zig:16   | Noticed a royal mummy
118257 | Zig:16   | Killed a royal mummy
118259 | Zig:16   | Noticed a royal mummy
118260 | Zig:16   | Killed a royal mummy
118262 | Zig:16   | Killed a royal mummy
118263 | Zig:16   | Noticed a royal mummy
118263 | Zig:16   | Noticed a royal mummy
118265 | Zig:16   | Noticed a royal mummy
118265 | Zig:16   | Noticed a royal mummy
118266 | Zig:16   | Noticed a royal mummy
118267 | Zig:16   | Killed a royal mummy
118267 | Zig:16   | Killed a royal mummy
118267 | Zig:16   | Killed a royal mummy
118268 | Zig:16   | Killed a royal mummy
118268 | Zig:16   | Killed a royal mummy
118269 | Zig:16   | Noticed a royal mummy
118269 | Zig:16   | Noticed a royal mummy
118269 | Zig:16   | Noticed a royal mummy
118272 | Zig:16   | Killed a royal mummy
118273 | Zig:16   | Noticed a royal mummy
118274 | Zig:16   | Killed a royal mummy
118274 | Zig:16   | Killed a royal mummy
118278 | Zig:16   | Killed a royal mummy
118466 | Zig:16   | Identified the +9 chain mail of the End {rElec}
118468 | Zig:16   | Identified the +2 robe "Pizar" {rN+ Str+6}
118474 | Zig:16   | Identified the staff of Light {Dex+7 Earth}
118476 | Zig:16   | Identified the +10 great sword of Jopaoz {flame, rF+++
                  | rCorr Str-4 Int-2}
118482 | Zig:16   | Identified the +6 rapier of Painful Death {vamp, *Noise
                  | rPois rF+ Dex+6}
118486 | Zig:16   | Identified the +2 cloak of Quos {rF- rCorr Int+3}
118539 | Zig:17   | Entered Level 17 of a ziggurat
118542 | Zig:17   | Noticed a dread lich
118542 | Zig:17   | Noticed a dread lich
118543 | Zig:17   | Noticed an ancient lich
118543 | Zig:17   | Killed a dread lich
118543 | Zig:17   | Killed a dread lich
118543 | Zig:17   | Killed an ancient lich
118543 | Zig:17   | Noticed a dread lich
118544 | Zig:17   | Reached skill level 10 in Short Blades
118544 | Zig:17   | Killed a dread lich
118545 | Zig:17   | Noticed an ancient lich
118545 | Zig:17   | Noticed a dread lich
118545 | Zig:17   | Noticed an ancient lich
118546 | Zig:17   | Killed an ancient lich
118546 | Zig:17   | Killed a dread lich
118546 | Zig:17   | Killed an ancient lich
118547 | Zig:17   | Reached skill level 10 in Polearms
118547 | Zig:17   | Reached skill level 10 in Ranged Weapons
118549 | Zig:17   | Noticed an ancient lich
118549 | Zig:17   | Noticed a dread lich
118550 | Zig:17   | Killed a dread lich
118550 | Zig:17   | Killed an ancient lich
118550 | Zig:17   | Noticed a dread lich
118552 | Zig:17   | Noticed an ancient lich
118552 | Zig:17   | Noticed a dread lich
118552 | Zig:17   | Noticed a dread lich
118553 | Zig:17   | Killed an ancient lich
118553 | Zig:17   | Killed a dread lich
118553 | Zig:17   | Killed a dread lich
118554 | Zig:17   | Noticed an ancient lich
118554 | Zig:17   | Noticed an ancient lich
118555 | Zig:17   | Killed an ancient lich
118555 | Zig:17   | Killed a dread lich
118555 | Zig:17   | Killed an ancient lich
118559 | Zig:17   | Reached skill level 27 in Necromancy
118722 | Zig:17   | Identified the +5 dire flail of Greatest Utility {venom,
                  | Fly}
118725 | Zig:17   | Identified the +4 ring mail of the Dice {rElec}
118727 | Zig:17   | Identified the granite talisman of an ice cave {rF+ Will-
                  | Str+3 Dex+4}
118744 | Zig:18   | Entered Level 18 of a ziggurat
118748 | Zig:18   | Noticed a dread lich
118748 | Zig:18   | Noticed a dread lich
118750 | Zig:18   | Noticed an ancient lich
118750 | Zig:18   | Noticed an ancient lich
118751 | Zig:18   | Killed a dread lich
118751 | Zig:18   | Killed a dread lich
118752 | Zig:18   | Noticed an ancient lich
118752 | Zig:18   | Noticed a dread lich
118753 | Zig:18   | Killed an ancient lich
118753 | Zig:18   | Killed an ancient lich
118754 | Zig:18   | Noticed an ancient lich
118755 | Zig:18   | Killed a dread lich
118755 | Zig:18   | Noticed a dread lich
118757 | Zig:18   | Killed an ancient lich
118757 | Zig:18   | Killed an ancient lich
118758 | Zig:18   | Noticed a dread lich
118759 | Zig:18   | Noticed a dread lich
118759 | Zig:18   | Killed a dread lich
118759 | Zig:18   | Killed a dread lich
118761 | Zig:18   | Noticed a dread lich
118761 | Zig:18   | Killed a dread lich
118761 | Zig:18   | Killed a dread lich
118762 | Zig:18   | Noticed a dread lich
118762 | Zig:18   | Noticed a dread lich
118764 | Zig:18   | Killed a dread lich
118767 | Zig:18   | Killed a dread lich
118778 | Zig:18   | Identified the +1 arbalest "Zoissifa" {freeze, rPois Int-5
                  | SInv}
118922 | Zig:18   | Identified the +3 bardiche of Tada {flame, Str+5}
118926 | Zig:18   | Identified the ring of Efehuof {Fire *Slow rN+ Str+9 Int-4}
118934 | Zig:18   | Identified the +9 plate armour "Idic" {Str+3 Dex-4 Stlth+}
118967 | Zig:18   | Identified the ring "Seinaem" {^Drain rF+ rC+ Str+5 Int+3}
119016 | Zig:19   | Entered Level 19 of a ziggurat
119030 | Zig:19   | Reached skill level 10 in Maces & Flails
119040 | Zig:19   | Reached skill level 15 in Short Blades
119052 | Zig:19   | Found the +18 shield of the Gong {Loud rN+ Will+ rCorr
                  | EV-5}
119155 | Zig:19   | Identified the +3 sling of Usmiop Wiff {elec, rC+ Int+2}
119160 | Zig:19   | Identified the ring "Atozimn" {rPois rF+ Will+ Str+2
                  | Stlth+}
119165 | Zig:19   | Acquired 1227 gold pieces
119172 | Zig:19   | Identified the +3 leather armour "Wim Pimp" {rElec rF-
                  | rCorr}
119173 | Zig:19   | Identified the ring of Ucsaron {rPois rF- rC- rN++ rCorr}
119193 | Zig:19   | Identified the +3 spear of Uryble Qed {freeze, rPois Str+4
                  | Dex+3}
119196 | Zig:19   | Identified the ring "Fuec" {rC+ rCorr Int+6 Slay-2}
119201 | Zig:19   | Identified the ring of Eternal Harmony {Will+ Int+2 Dex+4}
119205 | Zig:19   | Identified the +8 rapier "Zetuvveg" {freeze, rN+ Will+}
119350 | Zig:20   | Entered Level 20 of a ziggurat
119361 | Zig:20   | Reached skill level 15 in Polearms
119373 | Zig:20   | Reached skill level 27 in Summonings
119586 | Zig:20   | Identified the +0 long sword "Jail" {heavy, rPois rF+}
119626 | Zig:21   | Entered Level 21 of a ziggurat
119631 | Zig:21   | Noticed an ancient lich
119631 | Zig:21   | Noticed an ancient lich
119632 | Zig:21   | Killed an ancient lich
119633 | Zig:21   | Noticed a dread lich
119634 | Zig:21   | Noticed an ancient lich
119635 | Zig:21   | Noticed a dread lich
119635 | Zig:21   | Noticed a dread lich
119635 | Zig:21   | Noticed an ancient lich
119635 | Zig:21   | Noticed a dread lich
119635 | Zig:21   | Noticed an ancient lich
119636 | Zig:21   | Killed an ancient lich
119636 | Zig:21   | Killed a dread lich
119636 | Zig:21   | Killed a dread lich
119636 | Zig:21   | Killed an ancient lich
119636 | Zig:21   | Killed a dread lich
119636 | Zig:21   | Noticed a dread lich
119637 | Zig:21   | Noticed an ancient lich
119637 | Zig:21   | Noticed an ancient lich
119637 | Zig:21   | Noticed a dread lich
119638 | Zig:21   | Killed an ancient lich
119638 | Zig:21   | Killed an ancient lich
119638 | Zig:21   | Killed a dread lich
119638 | Zig:21   | Killed a dread lich
119638 | Zig:21   | Killed an ancient lich
119638 | Zig:21   | Noticed an ancient lich
119639 | Zig:21   | Noticed a dread lich
119639 | Zig:21   | Killed a dread lich
119639 | Zig:21   | Killed an ancient lich
119639 | Zig:21   | Noticed a dread lich
119640 | Zig:21   | Killed a dread lich
119640 | Zig:21   | Killed an ancient lich
119641 | Zig:21   | Noticed an ancient lich
119642 | Zig:21   | Killed a dread lich
119643 | Zig:21   | Reached skill level 15 in Ranged Weapons
119643 | Zig:21   | Noticed an ancient lich
119643 | Zig:21   | Noticed a dread lich
119643 | Zig:21   | Noticed an ancient lich
119644 | Zig:21   | Killed an ancient lich
119644 | Zig:21   | Killed an ancient lich
119645 | Zig:21   | Noticed a dread lich
119645 | Zig:21   | Noticed an ancient lich
119646 | Zig:21   | Killed an ancient lich
119646 | Zig:21   | Killed a dread lich
119646 | Zig:21   | Killed a dread lich
119646 | Zig:21   | Noticed a dread lich
119647 | Zig:21   | Killed an ancient lich
119648 | Zig:21   | Noticed an ancient lich
119649 | Zig:21   | Killed a dread lich
119649 | Zig:21   | Noticed an ancient lich
119654 | Zig:21   | Killed an ancient lich
119654 | Zig:21   | Killed an ancient lich
119848 | Zig:21   | Identified the +8 longbow of the Mashing Dove {drain, rF-
                  | Will+ Str+8 Int-3}
119856 | Zig:21   | Identified the +0 ring mail of Lexuinae {rCorr Str+2}
119865 | Zig:21   | Identified the amulet "Upotoibula" {RegenMP rC++ Will-}
119867 | Zig:21   | Identified the +4 dagger of the Gloaming {flame, ^Fragile
                  | rN++ Dex+6}
119869 | Zig:21   | Identified the +0 shortbow of Yredelemnul's Fury {freeze,
                  | Will+ Int+3}
119882 | Zig:21   | Identified the +2 falchion of Awkefud {freeze, Dex+2}
119901 | Zig:22   | Entered Level 22 of a ziggurat
119914 | Zig:22   | Reached skill level 27 in Hexes
120174 | Zig:22   | Identified the staff of Lulufafi {rF+ Will- Int+7 Conj}
120190 | Zig:22   | Identified the ring of Greed {rElec rPois Str+3 Dex-5}
120268 | Zig:23   | Entered Level 23 of a ziggurat
120278 | Zig:23   | Reached skill level 27 in Alchemy
120293 | Zig:23   | Reached skill level 15 in Maces & Flails
120540 | Zig:23   | Found the +9 scales of the Dragon King {rPois rF+ rC+
                  | Will+}
120550 | Zig:23   | Identified the +5 great mace "Dezoudd" {speed, Will+}
120553 | Zig:23   | Identified the +6 sling "Seweli" {elec, ^Contam rC- rN+
                  | Str+6}
120560 | Zig:23   | Identified the +8 plate armour of Defiance {Int-4 Dex+4}
120572 | Zig:23   | Identified the +7 battleaxe of the Winnowing Gods {freeze,
                  | rF+}
120583 | Zig:23   | Identified the +6 giant spiked club of Kialle {freeze,
                  | rElec rN+ Int+2 Stlth+}
120587 | Zig:23   | Identified the +0 orcbow "Toidwes" {heavy, ^Contam rF+
                  | Int+2 Dex+4}
120588 | Zig:23   | Identified the staff of the Establishment {rElec Stlth+
                  | Air}
120599 | Zig:24   | Entered Level 24 of a ziggurat
120607 | Zig:24   | Noticed a dread lich
120607 | Zig:24   | Noticed an ancient lich
120608 | Zig:24   | Killed an ancient lich
120608 | Zig:24   | Killed a dread lich
120608 | Zig:24   | Noticed an ancient lich
120609 | Zig:24   | Noticed a dread lich
120609 | Zig:24   | Noticed a dread lich
120610 | Zig:24   | Killed an ancient lich
120610 | Zig:24   | Killed a dread lich
120611 | Zig:24   | Killed a dread lich
120611 | Zig:24   | Noticed an ancient lich
120611 | Zig:24   | Noticed a dread lich
120611 | Zig:24   | Noticed a dread lich
120612 | Zig:24   | Noticed a dread lich
120613 | Zig:24   | Killed an ancient lich
120613 | Zig:24   | Killed a dread lich
120613 | Zig:24   | Killed a dread lich
120614 | Zig:24   | Killed a dread lich
120614 | Zig:24   | Noticed an ancient lich
120615 | Zig:24   | Noticed an ancient lich
120615 | Zig:24   | Noticed an ancient lich
120615 | Zig:24   | Noticed a dread lich
120616 | Zig:24   | Killed an ancient lich
120616 | Zig:24   | Killed an ancient lich
120617 | Zig:24   | Killed an ancient lich
120617 | Zig:24   | Killed a dread lich
120617 | Zig:24   | Noticed a dread lich
120618 | Zig:24   | Noticed a dread lich
120619 | Zig:24   | Killed a dread lich
120620 | Zig:24   | Noticed a dread lich
120621 | Zig:24   | Noticed an ancient lich
120622 | Zig:24   | Killed a dread lich
120622 | Zig:24   | Killed a dread lich
120623 | Zig:24   | Noticed a dread lich
120624 | Zig:24   | Noticed an ancient lich
120624 | Zig:24   | Killed an ancient lich
120624 | Zig:24   | Killed an ancient lich
120624 | Zig:24   | Noticed a dread lich
120626 | Zig:24   | Killed a dread lich
120626 | Zig:24   | Killed a dread lich
120626 | Zig:24   | Noticed an ancient lich
120627 | Zig:24   | Noticed an ancient lich
120628 | Zig:24   | Killed an ancient lich
120630 | Zig:24   | Killed an ancient lich
120679 | Zig:24   | Identified the +3 whip "Siasman" {protect, rPois}
120689 | Zig:24   | Identified the staff of the Foot {Conj Earth}
120693 | Zig:24   | Identified the +0 lajatang "Bohakk" {heavy, rF++}
120790 | Zig:24   | Identified the +8 falchion "But Owud" {distort, Int+2
                  | Dex+5}
120800 | Zig:24   | Identified the +3 dagger of Valiance {flame, rN+ MP+9 Str+4
                  | Dex+4}
120802 | Zig:24   | Identified the ring "Lucuhegu" {rPois MP+9 Str-2 Dex+2
                  | Stlth+}
120805 | Zig:24   | Identified the +13 crystal plate armour of the Banana {rC++
                  | rCorr Str+3 Stlth+}
120916 | Zig:25   | Entered Level 25 of a ziggurat
120962 | Zig:25   | Killed a starcursed mass
120993 | Zig:25   | Identified the +7 rapier of Cotik {elec, rC+ rCorr Str-3}
121002 | Zig:25   | Identified the ring of Meikipt {Ice rN+}
121014 | Zig:25   | Identified the +11 triple crossbow of Rubar {freeze,
                  | ^Fragile rCorr Str+3 Int+10}
121016 | Zig:25   | Identified the +4 hand axe "Lewnusuz" {drain, rElec SInv}
121021 | Zig:25   | Identified the +1 scale mail of Vanity {rN+ Int+3 Slay+2
                  | SInv}
121024 | Zig:25   | Identified the staff "Tormentor" {rElec rPois rC+ Str+3
                  | Alchemy}
121050 | Zig:25   | Identified the amulet of Elino {Reflect Will+ Int+3 Dex+3
                  | SH+5}
121072 | Zig:25   | Identified the ring of the Ancient Tables {rF- rC+ rN+
                  | Int+3}
121398 | Zig:26   | Entered Level 26 of a ziggurat
121404 | Zig:26   | Noticed Lefos the pandemonium lord
121405 | Zig:26   | Noticed Iwej the pandemonium lord
121405 | Zig:26   | Noticed Rafavvuc the pandemonium lord
121406 | Zig:26   | Noticed Cuvyu the pandemonium lord
121407 | Zig:26   | Noticed Xiyvigg the pandemonium lord
121407 | Zig:26   | Noticed Nomuitadgh the pandemonium lord
121408 | Zig:26   | Noticed Cugoacv Yceg the pandemonium lord
121408 | Zig:26   | Killed Lefos the pandemonium lord
121408 | Zig:26   | Killed Rafavvuc the pandemonium lord
121408 | Zig:26   | Noticed Xocuxet the pandemonium lord
121409 | Zig:26   | Killed Cugoacv Yceg the pandemonium lord
121409 | Zig:26   | Noticed Udghah the pandemonium lord
121410 | Zig:26   | Noticed Uharak the pandemonium lord
121410 | Zig:26   | Noticed Vyckett the pandemonium lord
121410 | Zig:26   | Noticed Wionk the pandemonium lord
121410 | Zig:26   | Noticed Jeoxza the pandemonium lord
121410 | Zig:26   | Killed Nomuitadgh the pandemonium lord
121411 | Zig:26   | Noticed Tivves the pandemonium lord
121413 | Zig:26   | Killed Xiyvigg the pandemonium lord
121414 | Zig:26   | Noticed Xuprex the pandemonium lord
121414 | Zig:26   | Noticed Tyfiqyot the pandemonium lord
121414 | Zig:26   | Noticed Imniar the pandemonium lord
121415 | Zig:26   | Noticed Nydwaza the pandemonium lord
121415 | Zig:26   | Noticed Fiyta the pandemonium lord
121415 | Zig:26   | Noticed Inwishre Niurph the pandemonium lord
121416 | Zig:26   | Killed Jeoxza the pandemonium lord
121416 | Zig:26   | Killed Wionk the pandemonium lord
121416 | Zig:26   | Killed Tyfiqyot the pandemonium lord
121416 | Zig:26   | Killed Inwishre Niurph the pandemonium lord
121416 | Zig:26   | Killed Iwej the pandemonium lord
121417 | Zig:26   | Killed Xuprex the pandemonium lord
121417 | Zig:26   | Noticed Hoaquq the pandemonium lord
121419 | Zig:26   | Killed Udghah the pandemonium lord
121420 | Zig:26   | Noticed Riavulaq the pandemonium lord
121420 | Zig:26   | Noticed Liuruk the pandemonium lord
121420 | Zig:26   | Noticed Gakil the pandemonium lord
121420 | Zig:26   | Noticed Zejocko the pandemonium lord
121420 | Zig:26   | Noticed Tisizad the pandemonium lord
121420 | Zig:26   | Killed Vyckett the pandemonium lord
121420 | Zig:26   | Killed Imniar the pandemonium lord
121421 | Zig:26   | Killed Nydwaza the pandemonium lord
121421 | Zig:26   | Killed Gakil the pandemonium lord
121421 | Zig:26   | Killed Oklos the pandemonium lord
121421 | Zig:26   | Noticed Leolaz the pandemonium lord
121422 | Zig:26   | Noticed Meagux the pandemonium lord
121422 | Zig:26   | Noticed Ilupt the pandemonium lord
121422 | Zig:26   | Noticed Yfiz the pandemonium lord
121423 | Zig:26   | Killed Uharak the pandemonium lord
121423 | Zig:26   | Noticed Yshrigga the pandemonium lord
121423 | Zig:26   | Killed Ilupt the pandemonium lord
121424 | Zig:26   | Killed Hoaquq the pandemonium lord
121424 | Zig:26   | Killed Tivves the pandemonium lord
121424 | Zig:26   | Killed Riavulaq the pandemonium lord
121424 | Zig:26   | Killed Tisizad the pandemonium lord
121424 | Zig:26   | Killed Yfiz the pandemonium lord
121424 | Zig:26   | Killed Zejocko the pandemonium lord
121424 | Zig:26   | Killed Leolaz the pandemonium lord
121428 | Zig:26   | Killed Fiyta the pandemonium lord
121428 | Zig:26   | Killed Cuvyu the pandemonium lord
121428 | Zig:26   | Noticed Tacsi the pandemonium lord
121428 | Zig:26   | Noticed Cec Geul the pandemonium lord
121430 | Zig:26   | Killed Yshrigga the pandemonium lord
121430 | Zig:26   | Noticed Heotoig the pandemonium lord
121430 | Zig:26   | Noticed Racrucs the pandemonium lord
121430 | Zig:26   | Noticed Kauph the pandemonium lord
121430 | Zig:26   | Noticed Lesm the pandemonium lord
121431 | Zig:26   | Killed Meagux the pandemonium lord
121431 | Zig:26   | Killed Xocuxet the pandemonium lord
121434 | Zig:26   | Killed Cec Geul the pandemonium lord
121434 | Zig:26   | Noticed Xocla the pandemonium lord
121434 | Zig:26   | Noticed Couh Kua the pandemonium lord
121435 | Zig:26   | Killed Racrucs the pandemonium lord
121435 | Zig:26   | Killed Heotoig the pandemonium lord
121435 | Zig:26   | Killed Lesm the pandemonium lord
121435 | Zig:26   | Noticed Koji the pandemonium lord
121436 | Zig:26   | Noticed Tusab the pandemonium lord
121436 | Zig:26   | Noticed Sishre the pandemonium lord
121436 | Zig:26   | Noticed Dysy Jiw the pandemonium lord
121436 | Zig:26   | Noticed Ymubyol the pandemonium lord
121438 | Zig:26   | Killed Liuruk the pandemonium lord
121438 | Zig:26   | Killed Tusab the pandemonium lord
121438 | Zig:26   | Noticed Iruloq the pandemonium lord
121439 | Zig:26   | Noticed Zeoq the pandemonium lord
121439 | Zig:26   | Killed Couh Kua the pandemonium lord
121439 | Zig:26   | Killed Koji the pandemonium lord
121440 | Zig:26   | Killed Kauph the pandemonium lord
121440 | Zig:26   | Killed Dysy Jiw the pandemonium lord
121440 | Zig:26   | Killed Zeoq the pandemonium lord
121441 | Zig:26   | Noticed Hitory the pandemonium lord
121442 | Zig:26   | Killed Iruloq the pandemonium lord
121442 | Zig:26   | Killed Sishre the pandemonium lord
121442 | Zig:26   | Killed Ymubyol the pandemonium lord
121442 | Zig:26   | Killed Hitory the pandemonium lord
121442 | Zig:26   | Killed Xocla the pandemonium lord
121443 | Zig:26   | Reached skill level 27 in Translocations
121443 | Zig:26   | Noticed Wiof the pandemonium lord
121443 | Zig:26   | Noticed Hytsum the pandemonium lord
121444 | Zig:26   | Killed Hytsum the pandemonium lord
121444 | Zig:26   | Killed Tacsi the pandemonium lord
121447 | Zig:26   | Noticed Mounami the pandemonium lord
121448 | Zig:26   | Noticed Arrieg the pandemonium lord
121449 | Zig:26   | Noticed Gaskolar the pandemonium lord
121449 | Zig:26   | Killed Mounami the pandemonium lord
121450 | Zig:26   | Killed Wiof the pandemonium lord
121451 | Zig:26   | Noticed Qomyink the pandemonium lord
121451 | Zig:26   | Killed Arrieg the pandemonium lord
121453 | Zig:26   | Killed Qomyink the pandemonium lord
121453 | Zig:26   | Noticed Kyxu the pandemonium lord
121454 | Zig:26   | Noticed Cacrojob the pandemonium lord
121454 | Zig:26   | Noticed Xaiseticwidd the pandemonium lord
121456 | Zig:26   | Killed Kyxu the pandemonium lord
121456 | Zig:26   | Killed Xaiseticwidd the pandemonium lord
121457 | Zig:26   | Killed Cacrojob the pandemonium lord
121457 | Zig:26   | Killed Gaskolar the pandemonium lord
121729 | Zig:26   | Identified the +0 ice dragon scales of the Evening {rF-
                  | rC++ rN+ Regen+ Int+10 Stlth-}
121742 | Zig:26   | Identified the +0 scale mail of Skepticism {Dex+2}
121746 | Zig:26   | Identified the +4 ring mail of the Fisher {-Cast +Blink
                  | rC++}
121753 | Zig:26   | Identified the +1 leather armour of the Game Afoot {MP-9
                  | Str+6}
121756 | Zig:26   | Identified the +8 sling "Hysewnod" {elec, rPois}
121779 | Zig:26   | Identified the +6 battleaxe of Erhiel {heavy, MP+9 Str+2}
121784 | Zig:26   | Identified the +7 orcbow of Zabbusei {freeze, rElec rPois
                  | Will- Int+3}
121803 | Zig:27   | Entered Level 27 of a ziggurat
121811 | Zig:27   | Noticed a dread lich
121811 | Zig:27   | Noticed an ancient lich
121812 | Zig:27   | Noticed an ancient lich
121812 | Zig:27   | Killed a dread lich
121812 | Zig:27   | Killed an ancient lich
121813 | Zig:27   | Killed an ancient lich
121814 | Zig:27   | Noticed an ancient lich
121814 | Zig:27   | Noticed an ancient lich
121814 | Zig:27   | Noticed a dread lich
121814 | Zig:27   | Noticed an ancient lich
121814 | Zig:27   | Noticed a dread lich
121815 | Zig:27   | Killed an ancient lich
121815 | Zig:27   | Killed a dread lich
121815 | Zig:27   | Killed a dread lich
121816 | Zig:27   | Noticed an ancient lich
121817 | Zig:27   | Killed an ancient lich
121817 | Zig:27   | Killed an ancient lich
121817 | Zig:27   | Noticed an ancient lich
121818 | Zig:27   | Killed an ancient lich
121819 | Zig:27   | Noticed an ancient lich
121819 | Zig:27   | Noticed a dread lich
121819 | Zig:27   | Noticed an ancient lich
121819 | Zig:27   | Noticed an ancient lich
121819 | Zig:27   | Noticed a dread lich
121819 | Zig:27   | Noticed an ancient lich
121820 | Zig:27   | Killed an ancient lich
121820 | Zig:27   | Killed a dread lich
121820 | Zig:27   | Killed an ancient lich
121820 | Zig:27   | Killed a dread lich
121820 | Zig:27   | Noticed a dread lich
121821 | Zig:27   | Killed an ancient lich
121821 | Zig:27   | Killed an ancient lich
121821 | Zig:27   | Killed an ancient lich
121821 | Zig:27   | Killed a dread lich
121822 | Zig:27   | Noticed a dread lich
121822 | Zig:27   | Noticed a dread lich
121823 | Zig:27   | Noticed a dread lich
121824 | Zig:27   | Killed a dread lich
121826 | Zig:27   | Killed a dread lich
121826 | Zig:27   | Killed a dread lich
121826 | Zig:27   | Noticed a dread lich
121826 | Zig:27   | Noticed a dread lich
121827 | Zig:27   | Noticed a dread lich
121827 | Zig:27   | Noticed a dread lich
121828 | Zig:27   | Noticed a dread lich
121830 | Zig:27   | Killed a dread lich
121830 | Zig:27   | Killed a dread lich
121830 | Zig:27   | Killed a dread lich
121831 | Zig:27   | Killed a dread lich
121831 | Zig:27   | Killed a dread lich
121834 | Zig:27   | Noticed an ancient lich
121836 | Zig:27   | Killed an ancient lich
121839 | Zig:27   | Noticed an ancient lich
121843 | Zig:27   | Killed an ancient lich
121862 | Zig:27   | Found the ring of the Hare {EV+10}
121866 | Zig:27   | Found the +6 Majin-Bo {spellvamp, MP+6 Int+6}
121896 | Zig:27   | Identified the staff of Feceapp {rPois rC+ Str+2 Int+3
                  | Dex-3 Ice}
121899 | Zig:27   | Identified the +6 quarterstaff of Lupnom {drain, rElec
                  | rC++}
121908 | Zig:27   | Identified the +8 sling of Assiph {drain, +Blink Int-2
                  | Dex+3}
121910 | Zig:27   | Identified the ring "Buxzehix" {rF+ rCorr Dex+3}
121915 | Zig:27   | Identified the +11 falchion "Hamape" {speed, rC- rN+ Int+4}
121926 | Zig:27   | Identified the ring "Zefualod" {^Contam rC+ rN+ Dex+6}
122179 | Zig:27   | Identified the +9 quarterstaff of Uqoteg {venom, Str+6}
122187 | Zig:27   | Identified the ring of Yjecs {Str+6 Int+3}
122224 | Depths:3 | Reached skill level 27 in Short Blades
122228 | Depths:3 | Acquired 1335 gold pieces
122230 | Depths:3 | Acquired 874 gold pieces
122232 | Depths:3 | Acquired 930 gold pieces
122234 | Depths:3 | Acquired the amulet "Qiossi" {Reflect rElec Will+ Str+2
                  | Int+3 SH+5}
122313 | Zig:1    | Entered Level 1 of a ziggurat
122345 | Zig:2    | Entered Level 2 of a ziggurat
122345 | Zig:2    | Found the +27 heavy crossbow "Sniper" {heavy, Acc+∞ SInv}
122345 | Zig:2    | Found the +7 sceptre of Torment {pain, torment}
122395 | Zig:3    | Entered Level 3 of a ziggurat
122395 | Zig:3    | Noticed a juggernaut
122397 | Zig:3    | Killed a juggernaut
122427 | Zig:3    | Identified the ring of the Open Hand {Ice rElec}
122474 | Zig:4    | Entered Level 4 of a ziggurat
122539 | Zig:5    | Entered Level 5 of a ziggurat
122579 | Zig:5    | Identified the +6 flail "Ocve Pora" {freeze, Str+3}
122584 | Zig:5    | Identified the +1 glaive of Incongruity {protect, Will+}
122587 | Zig:5    | Identified the +4 scimitar of Contention {freeze, rN+
                  | Stlth+}
122607 | Zig:6    | Entered Level 6 of a ziggurat
122617 | Zig:6    | Found the dreamshard necklace {Acrobat *Dream}
122665 | Zig:6    | Identified the +8 flail "Dunkytan" {protect, rPois Dex+7}
122673 | Zig:6    | Identified the staff of Popular Demand {rPois rF- Tloc
                  | Earth Alchemy}
122730 | Zig:7    | Entered Level 7 of a ziggurat
122871 | Zig:8    | Entered Level 8 of a ziggurat
122998 | Zig:8    | Identified the +6 flail of Honour {vamp, rN+++ Str-4 Dex+4}
123039 | Zig:9    | Entered Level 9 of a ziggurat
123165 | Zig:9    | Identified the +4 rapier of Saitreulo {drain, Will+ Int+5}
123196 | Zig:10   | Entered Level 10 of a ziggurat
123341 | Zig:10   | Identified the +7 great sword of Disintegration {freeze,
                  | Dex+3}
123359 | Zig:10   | Identified the +0 scale mail of Sloth {rElec rN+}
123395 | Zig:11   | Entered Level 11 of a ziggurat
123404 | Zig:11   | Reached skill level 27 in Polearms
123507 | Zig:11   | Identified the +4 ring mail "Buph" {rElec rN+ Dex+3}
123514 | Zig:11   | Identified the staff "Sascha" {rElec rPois rF+ rN+ Str+3
                  | Fire}
123515 | Zig:11   | Identified the ring of Cucsymod {rElec rN+ Will- Str+3}
123605 | Zig:12   | Entered Level 12 of a ziggurat
123607 | Zig:12   | Noticed a royal mummy
123612 | Zig:12   | Killed a royal mummy
123612 | Zig:12   | Noticed a royal mummy
123613 | Zig:12   | Noticed a royal mummy
123614 | Zig:12   | Noticed a royal mummy
123615 | Zig:12   | Noticed a royal mummy
123616 | Zig:12   | Noticed a royal mummy
123616 | Zig:12   | Noticed a royal mummy
123617 | Zig:12   | Killed a royal mummy
123617 | Zig:12   | Killed a royal mummy
123617 | Zig:12   | Killed a royal mummy
123617 | Zig:12   | Noticed a royal mummy
123617 | Zig:12   | Noticed a royal mummy
123618 | Zig:12   | Killed a royal mummy
123618 | Zig:12   | Noticed a royal mummy
123618 | Zig:12   | Noticed a royal mummy
123619 | Zig:12   | Killed a royal mummy
123619 | Zig:12   | Killed a royal mummy
123619 | Zig:12   | Killed a royal mummy
123619 | Zig:12   | Killed a royal mummy
123620 | Zig:12   | Reached skill level 27 in Ranged Weapons
123621 | Zig:12   | Noticed a royal mummy
123621 | Zig:12   | Noticed a royal mummy
123621 | Zig:12   | Killed a royal mummy
123622 | Zig:12   | Noticed a royal mummy
123623 | Zig:12   | Killed a royal mummy
123624 | Zig:12   | Noticed a royal mummy
123626 | Zig:12   | Found the +3 warlock's mirror {omnireflect}
123626 | Zig:12   | Killed a royal mummy
123627 | Zig:12   | Killed a royal mummy
123627 | Zig:12   | Killed a royal mummy
123628 | Zig:12   | Killed a royal mummy
123796 | Zig:12   | Identified the ring of the Meadowlark {Fly rElec Str-5
                  | Stlth+}
123822 | Zig:12   | Identified the +3 ring mail "Zome" {Str+5}
123894 | Zig:13   | Entered Level 13 of a ziggurat
123897 | Zig:13   | Noticed a juggernaut
123900 | Zig:13   | Noticed a juggernaut
123901 | Zig:13   | Noticed a juggernaut
123901 | Zig:13   | Killed a juggernaut
123902 | Zig:13   | Reached skill level 27 in Maces & Flails
123903 | Zig:13   | Killed a juggernaut
123904 | Zig:13   | Noticed a juggernaut
123905 | Zig:13   | Killed a juggernaut
123907 | Zig:13   | Killed a juggernaut
123908 | Zig:13   | Reached skill level 15 in Invocations
123975 | Zig:13   | Identified the +1 falchion of Ruination {distort, rF+
                  | Str+5}
124010 | Zig:13   | Identified the ring "Jomomp" {Str+2 SInv}
124221 | Zig:14   | Entered Level 14 of a ziggurat
124377 | Zig:14   | Identified the +1 crystal plate armour "Oxtef" {rF+}
124379 | Zig:14   | Identified the +2 scimitar "Muon" {antimagic, rC- rN++
                  | Will+++ SInv}
124397 | Zig:14   | Identified the +6 long sword of the Crawling Thing {drain,
                  | rPois rN+ Int+3}
124500 | Zig:15   | Entered Level 15 of a ziggurat
124514 | Zig:15   | Reached skill level 27 in Invocations
124518 | Zig:15   | Reached skill level 5 in Throwing
124533 | Zig:15   | Reached skill level 10 in Throwing
124606 | Zig:15   | Identified the +0 robe "Neroim" {Rampage Int+4}
124615 | Zig:15   | Identified the +4 lajatang of the Vulture {flame, Will+
                  | Stlth+}
124791 | Zig:16   | Entered Level 16 of a ziggurat
125035 | Zig:16   | Identified the +10 halberd "Kexy" {freeze, ^Drain rPois
                  | rN++ rCorr}
125039 | Zig:16   | Identified the +8 morningstar of the Spinneret {distort,
                  | rPois}
125043 | Zig:16   | Identified the staff "Killer Bee's Peril" {Will+ Earth}
125050 | Zig:16   | Identified the staff of the Warrior {rPois Int-4 Ice Air
                  | Alchemy}
125132 | Zig:17   | Entered Level 17 of a ziggurat
125138 | Zig:17   | Noticed Innuenemn the pandemonium lord
125143 | Zig:17   | Noticed Tuem Xex the pandemonium lord
125144 | Zig:17   | Killed Innuenemn the pandemonium lord
125144 | Zig:17   | Noticed Ytruczu the pandemonium lord
125144 | Zig:17   | Noticed Nurr the pandemonium lord
125145 | Zig:17   | Reached skill level 15 in Throwing
125145 | Zig:17   | Noticed Merefex the pandemonium lord
125146 | Zig:17   | Killed Tuem Xex the pandemonium lord
125146 | Zig:17   | Killed Ytruczu the pandemonium lord
125146 | Zig:17   | Killed Nurr the pandemonium lord
125147 | Zig:17   | Noticed Dioxown the pandemonium lord
125147 | Zig:17   | Noticed Athrio the pandemonium lord
125147 | Zig:17   | Noticed Jifebeuw the pandemonium lord
125147 | Zig:17   | Noticed Xishru the pandemonium lord
125147 | Zig:17   | Noticed Puzolen the pandemonium lord
125147 | Zig:17   | Noticed Pogaip the pandemonium lord
125148 | Zig:17   | Noticed Kocwo the pandemonium lord
125149 | Zig:17   | Killed Pogaip the pandemonium lord
125149 | Zig:17   | Killed Puzolen the pandemonium lord
125149 | Zig:17   | Noticed Keamemm the pandemonium lord
125149 | Zig:17   | Noticed Hoacuc the pandemonium lord
125149 | Zig:17   | Killed Dioxown the pandemonium lord
125150 | Zig:17   | Killed Merefex the pandemonium lord
125150 | Zig:17   | Killed Kocwo the pandemonium lord
125150 | Zig:17   | Killed Xishru the pandemonium lord
125150 | Zig:17   | Noticed Zinir the pandemonium lord
125152 | Zig:17   | Noticed Zeqyv the pandemonium lord
125153 | Zig:17   | Killed Keamemm the pandemonium lord
125153 | Zig:17   | Killed Jifebeuw the pandemonium lord
125153 | Zig:17   | Noticed Jogum the pandemonium lord
125154 | Zig:17   | Killed Zeqyv the pandemonium lord
125154 | Zig:17   | Noticed Oranwoge the pandemonium lord
125155 | Zig:17   | Noticed Rymuvaeg the pandemonium lord
125155 | Zig:17   | Noticed Cauthown the pandemonium lord
125155 | Zig:17   | Noticed Rareskupri the pandemonium lord
125155 | Zig:17   | Noticed Xatuzxiy the pandemonium lord
125156 | Zig:17   | Noticed Caif the pandemonium lord
125157 | Zig:17   | Killed Hoacuc the pandemonium lord
125157 | Zig:17   | Killed Jogum the pandemonium lord
125157 | Zig:17   | Noticed Fakaeg the pandemonium lord
125157 | Zig:17   | Noticed Astrybei the pandemonium lord
125158 | Zig:17   | Killed Rymuvaeg the pandemonium lord
125158 | Zig:17   | Killed Cauthown the pandemonium lord
125158 | Zig:17   | Killed Caif the pandemonium lord
125159 | Zig:17   | Noticed Efuar the pandemonium lord
125159 | Zig:17   | Killed Rareskupri the pandemonium lord
125159 | Zig:17   | Killed Zinir the pandemonium lord
125160 | Zig:17   | Noticed Ugeata the pandemonium lord
125160 | Zig:17   | Noticed Iwnell the pandemonium lord
125160 | Zig:17   | Noticed Feluopes the pandemonium lord
125160 | Zig:17   | Noticed Reduceim the pandemonium lord
125160 | Zig:17   | Noticed Ymoikhop the pandemonium lord
125160 | Zig:17   | Killed Astrybei the pandemonium lord
125160 | Zig:17   | Killed Oranwoge the pandemonium lord
125160 | Zig:17   | Noticed Mina the pandemonium lord
125164 | Zig:17   | Killed Ugeata the pandemonium lord
125164 | Zig:17   | Killed Ymoikhop the pandemonium lord
125165 | Zig:17   | Noticed Vuateu Honyrr the pandemonium lord
125165 | Zig:17   | Killed Iwnell the pandemonium lord
125165 | Zig:17   | Killed Efuar the pandemonium lord
125165 | Zig:17   | Killed Xatuzxiy the pandemonium lord
125166 | Zig:17   | Killed Vuateu Honyrr the pandemonium lord
125166 | Zig:17   | Noticed Oluj the pandemonium lord
125168 | Zig:17   | Killed Mina the pandemonium lord
125170 | Zig:17   | Killed Reduceim the pandemonium lord
125171 | Zig:17   | Killed Oluj the pandemonium lord
125172 | Zig:17   | Killed Feluopes the pandemonium lord
125182 | Zig:17   | Noticed Bysesoij the pandemonium lord
125183 | Zig:17   | Killed Athrio the pandemonium lord
125183 | Zig:17   | Killed Bysesoij the pandemonium lord
125184 | Zig:17   | Killed Fakaeg the pandemonium lord
125280 | Zig:17   | Identified the +5 flail of Magnificence {flame, Fly Will+++
                  | Str+2 Stlth+}
125289 | Zig:17   | Identified the +3 ring mail of Midnight {rElec Will++}
125292 | Zig:17   | Identified the amulet of Wishful Thinking {Acrobat rElec}
125371 | Zig:17   | Identified the ring of Ogay {rF+ Dex+6 Slay+5}
125464 | Zig:17   | Identified the ring of Kikubaaqudgha's Hatred {*Corrode
                  | rElec rN+ Int+3 Dex+5}
125473 | Zig:18   | Entered Level 18 of a ziggurat
125505 | Zig:18   | Found the +8 storm bow {elec, penet}
125699 | Zig:18   | Identified the +9 short sword "Pejez" {flame, rCorr Str+3
                  | Dex-3}
125713 | Zig:18   | Identified the +0 chain mail of Gallantry {+Blink}
125726 | Zig:18   | Identified the +9 spear "Icanogid" {freeze, rN++ Str-5}
125728 | Zig:18   | Identified the staff of Rofeomoh {Will+ Earth}
125798 | Zig:19   | Entered Level 19 of a ziggurat
125804 | Zig:19   | Noticed Ympaegy the pandemonium lord
125806 | Zig:19   | Noticed Foakhler the pandemonium lord
125806 | Zig:19   | Noticed Icri the pandemonium lord
125806 | Zig:19   | Noticed Zowef the pandemonium lord
125807 | Zig:19   | Noticed Sammeol the pandemonium lord
125808 | Zig:19   | Killed Zowef the pandemonium lord
125808 | Zig:19   | Noticed Boicw the pandemonium lord
125808 | Zig:19   | Noticed Yjoremm the pandemonium lord
125811 | Zig:19   | Killed Icri the pandemonium lord
125811 | Zig:19   | Killed Ympaegy the pandemonium lord
125811 | Zig:19   | Noticed Amnubin the pandemonium lord
125811 | Zig:19   | Noticed Maiworgh the pandemonium lord
125811 | Zig:19   | Noticed Axtotsu the pandemonium lord
125811 | Zig:19   | Noticed Keuxei the pandemonium lord
125812 | Zig:19   | Killed Foakhler the pandemonium lord
125813 | Zig:19   | Noticed Laampoi the pandemonium lord
125813 | Zig:19   | Noticed Xybesote the pandemonium lord
125813 | Zig:19   | Noticed Qaoq the pandemonium lord
125814 | Zig:19   | Killed Keuxei the pandemonium lord
125814 | Zig:19   | Noticed Aguw the pandemonium lord
125815 | Zig:19   | Killed Laampoi the pandemonium lord
125815 | Zig:19   | Killed Boicw the pandemonium lord
125815 | Zig:19   | Killed Xybesote the pandemonium lord
125815 | Zig:19   | Killed Qaoq the pandemonium lord
125815 | Zig:19   | Noticed Daled the pandemonium lord
125816 | Zig:19   | Killed Maiworgh the pandemonium lord
125817 | Zig:19   | Killed Axtotsu the pandemonium lord
125817 | Zig:19   | Killed Yjoremm the pandemonium lord
125817 | Zig:19   | Killed Coso Zof the pandemonium lord
125817 | Zig:19   | Killed Aguw the pandemonium lord
125818 | Zig:19   | Killed Sammeol the pandemonium lord
125818 | Zig:19   | Noticed Vipneargh the pandemonium lord
125819 | Zig:19   | Noticed Iqu Oske the pandemonium lord
125819 | Zig:19   | Killed Iqu Oske the pandemonium lord
125819 | Zig:19   | Noticed Xeexta Fies the pandemonium lord
125820 | Zig:19   | Killed Vipneargh the pandemonium lord
125822 | Zig:19   | Killed Amnubin the pandemonium lord
125822 | Zig:19   | Killed Xeexta Fies the pandemonium lord
125822 | Zig:19   | Noticed Ditriuc the pandemonium lord
125823 | Zig:19   | Noticed Noohigh the pandemonium lord
125824 | Zig:19   | Killed Xebomotz the pandemonium lord
125824 | Zig:19   | Noticed Fus Kagh the pandemonium lord
125824 | Zig:19   | Noticed Yneuresu the pandemonium lord
125825 | Zig:19   | Noticed Kent the pandemonium lord
125825 | Zig:19   | Noticed Yxorur the pandemonium lord
125825 | Zig:19   | Noticed Moegaup the pandemonium lord
125827 | Zig:19   | Killed Ditriuc the pandemonium lord
125827 | Zig:19   | Killed Noohigh the pandemonium lord
125827 | Zig:19   | Killed Moegaup the pandemonium lord
125829 | Zig:19   | Noticed Dyom the pandemonium lord
125830 | Zig:19   | Killed Yxorur the pandemonium lord
125830 | Zig:19   | Killed Fus Kagh the pandemonium lord
125830 | Zig:19   | Noticed Byceleot the pandemonium lord
125831 | Zig:19   | Killed Dyom the pandemonium lord
125831 | Zig:19   | Killed Yneuresu the pandemonium lord
125832 | Zig:19   | Noticed Bytipror the pandemonium lord
125832 | Zig:19   | Noticed Cesut the pandemonium lord
125833 | Zig:19   | Killed Byceleot the pandemonium lord
125833 | Zig:19   | Killed Daled the pandemonium lord
125833 | Zig:19   | Noticed Pelal the pandemonium lord
125834 | Zig:19   | Killed Kent the pandemonium lord
125835 | Zig:19   | Noticed Soekayr the pandemonium lord
125836 | Zig:19   | Killed Bytipror the pandemonium lord
125838 | Zig:19   | Noticed Zaothrahe the pandemonium lord
125838 | Zig:19   | Noticed Qil Zukkuy the pandemonium lord
125839 | Zig:19   | Killed Pelal the pandemonium lord
125839 | Zig:19   | Killed Soekayr the pandemonium lord
125840 | Zig:19   | Killed Cesut the pandemonium lord
125840 | Zig:19   | Killed Zaothrahe the pandemonium lord
125842 | Zig:19   | Noticed Veonis the pandemonium lord
125843 | Zig:19   | Killed Veonis the pandemonium lord
125843 | Zig:19   | Killed Qil Zukkuy the pandemonium lord
126055 | Zig:19   | Identified the staff "Otollih" {Int+5 Conj}
126071 | Zig:19   | Identified the ring "Porek" {rElec Will+}
126158 | Zig:20   | Entered Level 20 of a ziggurat
126168 | Zig:20   | Noticed an orb of fire
126170 | Zig:20   | Noticed an orb of fire
126170 | Zig:20   | Noticed an orb of fire
126171 | Zig:20   | Reached skill level 27 in Throwing
126171 | Zig:20   | Noticed an orb of fire
126172 | Zig:20   | Noticed an orb of fire
126172 | Zig:20   | Noticed an orb of fire
126172 | Zig:20   | Noticed an orb of fire
126172 | Zig:20   | Noticed an orb of fire
126172 | Zig:20   | Noticed an orb of fire
126173 | Zig:20   | Noticed an orb of fire
126173 | Zig:20   | Killed an orb of fire
126173 | Zig:20   | Noticed an orb of fire
126174 | Zig:20   | Killed an orb of fire
126174 | Zig:20   | Killed an orb of fire
126174 | Zig:20   | Noticed an orb of fire
126174 | Zig:20   | Noticed an orb of fire
126175 | Zig:20   | Noticed an orb of fire
126177 | Zig:20   | Killed an orb of fire
126177 | Zig:20   | Killed an orb of fire
126177 | Zig:20   | Killed an orb of fire
126177 | Zig:20   | Killed an orb of fire
126178 | Zig:20   | Killed an orb of fire
126178 | Zig:20   | Killed an orb of fire
126178 | Zig:20   | Killed an orb of fire
126178 | Zig:20   | Killed an orb of fire
126178 | Zig:20   | Killed an orb of fire
126178 | Zig:20   | Noticed an orb of fire
126178 | Zig:20   | Noticed an orb of fire
126178 | Zig:20   | Noticed an orb of fire
126179 | Zig:20   | Noticed an orb of fire
126179 | Zig:20   | Noticed an orb of fire
126179 | Zig:20   | Noticed an orb of fire
126179 | Zig:20   | Noticed an orb of fire
126181 | Zig:20   | Noticed an orb of fire
126181 | Zig:20   | Noticed an orb of fire
126182 | Zig:20   | Killed an orb of fire
126182 | Zig:20   | Killed an orb of fire
126183 | Zig:20   | Killed an orb of fire
126183 | Zig:20   | Killed an orb of fire
126183 | Zig:20   | Killed an orb of fire
126183 | Zig:20   | Killed an orb of fire
126183 | Zig:20   | Killed an orb of fire
126184 | Zig:20   | Noticed an orb of fire
126184 | Zig:20   | Noticed an orb of fire
126185 | Zig:20   | Noticed an orb of fire
126185 | Zig:20   | Killed an orb of fire
126187 | Zig:20   | Noticed an orb of fire
126187 | Zig:20   | Noticed an orb of fire
126187 | Zig:20   | Noticed an orb of fire
126188 | Zig:20   | Noticed an orb of fire
126188 | Zig:20   | Noticed an orb of fire
126189 | Zig:20   | Killed an orb of fire
126189 | Zig:20   | Killed an orb of fire
126190 | Zig:20   | Killed an orb of fire
126190 | Zig:20   | Killed an orb of fire
126190 | Zig:20   | Noticed an orb of fire
126192 | Zig:20   | Killed an orb of fire
126192 | Zig:20   | Killed an orb of fire
126192 | Zig:20   | Killed an orb of fire
126193 | Zig:20   | Killed an orb of fire
126193 | Zig:20   | Killed an orb of fire
126193 | Zig:20   | Killed an orb of fire
126196 | Zig:20   | Killed an orb of fire
126202 | Zig:20   | Killed an orb of fire
126364 | Zig:20   | Identified the +0 flail of Meaziwat {freeze, Int+2}
126367 | Zig:20   | Identified the +5 demon whip "Secret Weapon" {speed, rPois
                  | Will+}
126369 | Zig:20   | Identified the staff of the Magi {rF+ Int+3 Fire}
126372 | Zig:20   | Identified the ring "Gaost" {rC+ Dex+6 SInv}
126376 | Zig:20   | Identified the +4 halberd of Mupuenn {flame, *Corrode Int+7
                  | Dex+2}
126377 | Zig:20   | Identified the death talisman "Zupnogh" {rElec MP+9 Int+4
                  | Dex-5}
126434 | Zig:20   | Identified the +0 scale mail of Midsummer {rPois rC- SInv}
126438 | Zig:20   | Identified the +3 spear "Spiderslayer" {antimagic, *Slow
                  | rPois rCorr Str+2}
126517 | Zig:20   | Identified the +1 cloak of Disaster {rCorr Stlth+}
126543 | Zig:21   | Entered Level 21 of a ziggurat
126552 | Zig:21   | Noticed a dread lich
126552 | Zig:21   | Noticed an ancient lich
126554 | Zig:21   | Killed a dread lich
126555 | Zig:21   | Noticed a dread lich
126556 | Zig:21   | Killed an ancient lich
126558 | Zig:21   | Killed a dread lich
126559 | Zig:21   | Noticed an ancient lich
126560 | Zig:21   | Noticed an ancient lich
126560 | Zig:21   | Noticed a dread lich
126560 | Zig:21   | Noticed a dread lich
126561 | Zig:21   | Killed an ancient lich
126562 | Zig:21   | Noticed a dread lich
126562 | Zig:21   | Noticed a dread lich
126562 | Zig:21   | Noticed an ancient lich
126562 | Zig:21   | Noticed a dread lich
126562 | Zig:21   | Noticed an ancient lich
126562 | Zig:21   | Noticed an ancient lich
126563 | Zig:21   | Killed a dread lich
126563 | Zig:21   | Killed an ancient lich
126564 | Zig:21   | Killed a dread lich
126564 | Zig:21   | Killed an ancient lich
126564 | Zig:21   | Killed a dread lich
126564 | Zig:21   | Killed a dread lich
126564 | Zig:21   | Killed a dread lich
126564 | Zig:21   | Killed an ancient lich
126564 | Zig:21   | Noticed an ancient lich
126565 | Zig:21   | Noticed an ancient lich
126565 | Zig:21   | Noticed a dread lich
126566 | Zig:21   | Killed an ancient lich
126566 | Zig:21   | Killed an ancient lich
126566 | Zig:21   | Killed a dread lich
126567 | Zig:21   | Killed an ancient lich
126568 | Zig:21   | Noticed a dread lich
126568 | Zig:21   | Noticed an ancient lich
126568 | Zig:21   | Noticed an ancient lich
126569 | Zig:21   | Killed an ancient lich
126570 | Zig:21   | Killed an ancient lich
126571 | Zig:21   | Killed a dread lich
126572 | Zig:21   | Noticed an ancient lich
126572 | Zig:21   | Noticed a dread lich
126573 | Zig:21   | Noticed a dread lich
126573 | Zig:21   | Noticed an ancient lich
126574 | Zig:21   | Noticed an ancient lich
126575 | Zig:21   | Killed a dread lich
126575 | Zig:21   | Killed an ancient lich
126577 | Zig:21   | Killed an ancient lich
126577 | Zig:21   | Killed an ancient lich
126577 | Zig:21   | Killed a dread lich
126586 | Zig:21   | Found the ring of the Octopus King
126590 | Zig:21   | Identified the +4 sling "Newtbane" {heavy, rElec rCorr}
126636 | Zig:21   | Identified a ring of the Octopus King {rN+ HP+2 AC+2 EV+2
                  | SH+2}
126642 | Zig:21   | Identified the +1 chain mail of Bouvie {Fly rCorr MP+9
                  | Int-4}
126647 | Zig:21   | Identified the +0 robe of the Moneychanger {rC+}
126659 | Zig:21   | Identified the +3 shortbow of Unreason {heavy, rF+}
126662 | Zig:21   | Identified the staff of the Invisible Priests {rPois rN+
                  | rCorr Dex-3 Necro}
126746 | Zig:21   | Identified the staff of True Grit {rC+ Dex+3 SInv Conj}
126936 | Zig:22   | Entered Level 22 of a ziggurat
127066 | Zig:22   | Identified the +3 falchion of a Gauntlet {spect, Fly rF++
                  | rC- Stlth+}
127077 | Zig:22   | Identified the +11 short sword of Youthful Indiscretion
                  | {freeze, Str+6}
127078 | Zig:22   | Identified the +3 spear "Packoar" {venom, rF- rCorr Int+8}
127079 | Zig:22   | Identified the ring of Fassaem {Wiz rF- Str+4}
127085 | Zig:22   | Identified the ring "Kiugon" {rElec rPois rC++ rCorr
                  | Slay-5}
127464 | Zig:23   | Entered Level 23 of a ziggurat
127472 | Zig:23   | Noticed a juggernaut
127478 | Zig:23   | Killed a juggernaut
127479 | Zig:23   | Noticed a juggernaut
127480 | Zig:23   | Noticed a juggernaut
127480 | Zig:23   | Noticed a juggernaut
127481 | Zig:23   | Noticed a juggernaut
127482 | Zig:23   | Killed a juggernaut
127482 | Zig:23   | Noticed a juggernaut
127483 | Zig:23   | Noticed a juggernaut
127484 | Zig:23   | Killed a juggernaut
127484 | Zig:23   | Killed a juggernaut
127484 | Zig:23   | Killed a juggernaut
127484 | Zig:23   | Noticed a juggernaut
127485 | Zig:23   | Noticed a juggernaut
127485 | Zig:23   | Noticed a juggernaut
127485 | Zig:23   | Noticed a juggernaut
127486 | Zig:23   | Killed a juggernaut
127487 | Zig:23   | Killed a juggernaut
127487 | Zig:23   | Killed a juggernaut
127487 | Zig:23   | Killed a juggernaut
127488 | Zig:23   | Noticed a juggernaut
127489 | Zig:23   | Killed a juggernaut
127490 | Zig:23   | Noticed a juggernaut
127490 | Zig:23   | Noticed a juggernaut
127491 | Zig:23   | Killed a juggernaut
127493 | Zig:23   | Killed a juggernaut
127493 | Zig:23   | Killed a juggernaut
127495 | Zig:23   | Noticed a juggernaut
127495 | Zig:23   | Noticed a juggernaut
127499 | Zig:23   | Killed a juggernaut
127504 | Zig:23   | Killed a juggernaut
127504 | Zig:23   | Killed a juggernaut
127509 | Zig:23   | Found the +4 consecrated labrys {holy, Valiant ^Fragile Fly
                  | SInv}
127509 | Zig:23   | Found the +7 great mace "Undeadhunter" {deathbane, rN+}
127572 | Zig:23   | Identified the ring "Kyakoz" {^Drain rElec rC+ Will+ Str+3}
127576 | Zig:23   | Identified the +8 dagger of Gluttony {drain, ^Contam rElec
                  | rPois rN+}
127606 | Zig:23   | Identified the +3 spear of Yredelemnul, Sharing {protect,
                  | ^Drain rPois rCorr}
127628 | Zig:23   | Identified the staff of Kindness {rF+ rC+ Hexes Fire}
127726 | Zig:23   | Identified the +2 spear "Murmur" {antimagic, rElec Will+
                  | Dex+2}
128063 | Zig:24   | Entered Level 24 of a ziggurat
128104 | Zig:24   | Found the amulet of Elemental Vulnerability {rPois rF--
                  | rC-- AC+8}
128448 | Zig:24   | Identified the +0 crystal plate armour of Hangman {rElec
                  | Int+5 Slay-5}
128450 | Zig:24   | Identified the +0 leather armour of Muph {rN+ Will+ Int+4
                  | SInv}
128452 | Zig:24   | Identified the +6 glaive of Sharkskin {flame, rPois rC+
                  | Str-3 Dex+3}
128456 | Zig:24   | Identified the +3 morningstar "Ygewiot" {freeze, rN+}
128461 | Zig:24   | Identified the +2 great mace "Adacesi" {drain, Str+4}
128467 | Zig:24   | Identified the ring "Viurch" {rPois rC- Int+3 SInv}
128488 | Zig:24   | Identified the +3 shortbow of Risk Management {speed,
                  | Str+5}
128496 | Zig:24   | Identified the +7 plate armour of Xylom {+Inv rPois Str-3}
128499 | Zig:24   | Identified the +0 leather armour of a volcano {Harm Str+2
                  | Slay-5}
128512 | Zig:24   | Identified the +7 chain mail of Dodin {rC+}
128513 | Zig:24   | Identified the +9 short sword of Pride {distort, Will+
                  | Str+3}
128521 | Zig:24   | Identified the ring "Vava" {^Contam rF+ Str-2 Dex+8 Stlth+}
128530 | Zig:24   | Identified the +9 mace of the Eel {protect, rN+ Int+3}
128687 | Zig:25   | Entered Level 25 of a ziggurat
128697 | Zig:25   | Noticed a royal mummy
128698 | Zig:25   | Noticed a royal mummy
128698 | Zig:25   | Noticed a royal mummy
128701 | Zig:25   | Noticed a royal mummy
128701 | Zig:25   | Noticed a royal mummy
128701 | Zig:25   | Noticed a royal mummy
128702 | Zig:25   | Killed a royal mummy
128702 | Zig:25   | Killed a royal mummy
128702 | Zig:25   | Killed a royal mummy
128703 | Zig:25   | Noticed a royal mummy
128703 | Zig:25   | Noticed a royal mummy
128704 | Zig:25   | Killed a royal mummy
128704 | Zig:25   | Killed a royal mummy
128704 | Zig:25   | Noticed a royal mummy
128704 | Zig:25   | Noticed a royal mummy
128704 | Zig:25   | Noticed a royal mummy
128704 | Zig:25   | Noticed a royal mummy
128704 | Zig:25   | Killed a royal mummy
128705 | Zig:25   | Noticed a royal mummy
128705 | Zig:25   | Noticed a royal mummy
128705 | Zig:25   | Noticed a royal mummy
128705 | Zig:25   | Noticed a royal mummy
128706 | Zig:25   | Killed a royal mummy
128706 | Zig:25   | Killed a royal mummy
128706 | Zig:25   | Noticed a royal mummy
128706 | Zig:25   | Noticed a royal mummy
128706 | Zig:25   | Noticed a royal mummy
128707 | Zig:25   | Noticed a royal mummy
128707 | Zig:25   | Noticed a royal mummy
128707 | Zig:25   | Noticed a royal mummy
128707 | Zig:25   | Noticed a royal mummy
128707 | Zig:25   | Noticed a royal mummy
128708 | Zig:25   | Killed a royal mummy
128708 | Zig:25   | Killed a royal mummy
128708 | Zig:25   | Killed a royal mummy
128708 | Zig:25   | Killed a royal mummy
128708 | Zig:25   | Noticed a royal mummy
128709 | Zig:25   | Killed a royal mummy
128709 | Zig:25   | Killed a royal mummy
128709 | Zig:25   | Killed a royal mummy
128709 | Zig:25   | Killed a royal mummy
128709 | Zig:25   | Killed a royal mummy
128709 | Zig:25   | Killed a royal mummy
128709 | Zig:25   | Killed a royal mummy
128709 | Zig:25   | Killed a royal mummy
128709 | Zig:25   | Killed a royal mummy
128709 | Zig:25   | Noticed a royal mummy
128710 | Zig:25   | Noticed a royal mummy
128710 | Zig:25   | Noticed a royal mummy
128711 | Zig:25   | Killed a royal mummy
128711 | Zig:25   | Killed a royal mummy
128711 | Zig:25   | Noticed a royal mummy
128712 | Zig:25   | Noticed a royal mummy
128712 | Zig:25   | Noticed a royal mummy
128712 | Zig:25   | Noticed a royal mummy
128712 | Zig:25   | Noticed a royal mummy
128712 | Zig:25   | Killed a royal mummy
128713 | Zig:25   | Killed a royal mummy
128713 | Zig:25   | Killed a royal mummy
128713 | Zig:25   | Killed a royal mummy
128714 | Zig:25   | Noticed a royal mummy
128714 | Zig:25   | Noticed a royal mummy
128715 | Zig:25   | Killed a royal mummy
128715 | Zig:25   | Killed a royal mummy
128715 | Zig:25   | Killed a royal mummy
128715 | Zig:25   | Killed a royal mummy
128715 | Zig:25   | Killed a royal mummy
128715 | Zig:25   | Killed a royal mummy
128715 | Zig:25   | Noticed a royal mummy
128715 | Zig:25   | Noticed a royal mummy
128715 | Zig:25   | Noticed a royal mummy
128715 | Zig:25   | Noticed a royal mummy
128716 | Zig:25   | Noticed a royal mummy
128716 | Zig:25   | Noticed a royal mummy
128718 | Zig:25   | Killed a royal mummy
128718 | Zig:25   | Killed a royal mummy
128718 | Zig:25   | Killed a royal mummy
128718 | Zig:25   | Killed a royal mummy
128718 | Zig:25   | Killed a royal mummy
128718 | Zig:25   | Noticed a royal mummy
128719 | Zig:25   | Killed a royal mummy
128719 | Zig:25   | Killed a royal mummy
128719 | Zig:25   | Killed a royal mummy
128720 | Zig:25   | Noticed a royal mummy
128721 | Zig:25   | Noticed a royal mummy
128721 | Zig:25   | Killed a royal mummy
128722 | Zig:25   | Noticed a royal mummy
128723 | Zig:25   | Killed a royal mummy
128723 | Zig:25   | Noticed a royal mummy
128724 | Zig:25   | Killed a royal mummy
128724 | Zig:25   | Noticed a royal mummy
128724 | Zig:25   | Noticed a royal mummy
128724 | Zig:25   | Noticed a royal mummy
128725 | Zig:25   | Noticed a royal mummy
128726 | Zig:25   | Killed a royal mummy
128726 | Zig:25   | Killed a royal mummy
128726 | Zig:25   | Noticed a royal mummy
128727 | Zig:25   | Noticed a royal mummy
128728 | Zig:25   | Killed a royal mummy
128728 | Zig:25   | Killed a royal mummy
128728 | Zig:25   | Killed a royal mummy
128729 | Zig:25   | Noticed a royal mummy
128730 | Zig:25   | Noticed a royal mummy
128731 | Zig:25   | Killed a royal mummy
128731 | Zig:25   | Killed a royal mummy
128731 | Zig:25   | Killed a royal mummy
128731 | Zig:25   | Killed a royal mummy
128733 | Zig:25   | Killed a royal mummy
128756 | Zig:25   | Found the +5 demon whip "Spellbinder" {antimagic, disrupt,
                  | Will+}
128826 | Zig:25   | Identified the staff of Woir {*Corrode rC+ Dex+3 Conj Fire}
128827 | Zig:25   | Identified the ring of the Kitsune {rC+ rCorr Str-4 Dex+6}
128902 | Zig:25   | Identified the +9 hand axe "Pendulum" {heavy, rF+ SInv}
128911 | Zig:25   | Identified the +3 chain mail of the Morning Star {rF+}
129343 | Zig:26   | Entered Level 26 of a ziggurat
129433 | Zig:26   | Identified the staff of the Common Good {Str-4 Stlth+ Necro
                  | Earth}
129727 | Zig:26   | Identified the +7 quarterstaff of the Middle {flame, +Blink
                  | rElec rC+ Stlth-}
129816 | Zig:26   | Identified the amulet "Uluask" {Faith Harm *Slow rCorr
                  | Str+2}
130009 | Zig:27   | Entered Level 27 of a ziggurat
130050 | Zig:27   | Found the ring of the Octopus King
130146 | Zig:27   | Identified the +5 spear of Quba {antimagic, rN+}
130173 | Zig:27   | Identified a ring of the Octopus King {rCorr HP+2 AC+2 EV+2
                  | SH+2}
130458 | Zig:27   | Identified the +1 ring mail of Niavof {Int+7}
130459 | Zig:27   | Identified the +12 gold dragon scales of the Poles {rPois
                  | rF+ rC+ Slay+3}
130625 | Zig:1    | Entered Level 1 of a ziggurat
130654 | Zig:2    | Entered Level 2 of a ziggurat
130655 | Zig:2    | Noticed an ancient lich
130657 | Zig:2    | Noticed a dread lich
130658 | Zig:2    | Killed an ancient lich
130660 | Zig:2    | Killed a dread lich
130704 | Zig:3    | Entered Level 3 of a ziggurat
130750 | Zig:3    | Identified the staff "Otta" {+Blink rC+ Str+4 Ice}
130775 | Zig:4    | Entered Level 4 of a ziggurat
130867 | Zig:5    | Entered Level 5 of a ziggurat
130869 | Zig:5    | Paralysed by an air elemental for 1 turns
130922 | Zig:5    | Identified the +5 great sword of Gujautso {freeze, rElec
                  | rF+++ rC- rCorr}
130937 | Zig:5    | Identified the +9 orcbow of Scorn {elec, Fly rElec Dex+2}
130995 | Zig:6    | Entered Level 6 of a ziggurat
131088 | Zig:6    | Identified the staff "Z" {rElec Int-4 Conj Air}
131109 | Zig:6    | Identified the +6 dagger of the Muttering Gods {spect,
                  | Will+ Str+6}
131124 | Zig:7    | Entered Level 7 of a ziggurat
131124 | Zig:7    | Noticed a juggernaut
131124 | Zig:7    | Noticed a juggernaut
131127 | Zig:7    | Noticed a juggernaut
131128 | Zig:7    | Killed a juggernaut
131128 | Zig:7    | Killed a juggernaut
131131 | Zig:7    | Killed a juggernaut
131132 | Zig:7    | Found the +5 Lochaber axe {reach-cleave, Poleaxe ^Drain}
131227 | Zig:7    | Identified the +9 whip of the Present {heavy, ^Drain
                  | Will+++ Int+5 Dex-3}
131362 | Zig:8    | Entered Level 8 of a ziggurat
131522 | Zig:8    | Identified the +8 chain mail of Tuadaw {rN+ Str+2}
131576 | Zig:9    | Entered Level 9 of a ziggurat
131804 | Zig:10   | Entered Level 10 of a ziggurat
131806 | Zig:10   | Noticed Rusecs the pandemonium lord
131807 | Zig:10   | Noticed Fefair the pandemonium lord
131808 | Zig:10   | Killed Rusecs the pandemonium lord
131809 | Zig:10   | Noticed Jaomast the pandemonium lord
131810 | Zig:10   | Killed Fefair the pandemonium lord
131810 | Zig:10   | Noticed Weashadgh the pandemonium lord
131811 | Zig:10   | Noticed Gisov the pandemonium lord
131811 | Zig:10   | Noticed Pisoruem the pandemonium lord
131812 | Zig:10   | Killed Leucoise the pandemonium lord
131812 | Zig:10   | Noticed Seatid the pandemonium lord
131813 | Zig:10   | Noticed Oniynolu the pandemonium lord
131813 | Zig:10   | Killed Gisov the pandemonium lord
131814 | Zig:10   | Killed Pisoruem the pandemonium lord
131814 | Zig:10   | Noticed Cequnui the pandemonium lord
131815 | Zig:10   | Killed Oniynolu the pandemonium lord
131815 | Zig:10   | Noticed Xesonk the pandemonium lord
131816 | Zig:10   | Noticed Reseisuu the pandemonium lord
131816 | Zig:10   | Noticed Ybruzam the pandemonium lord
131816 | Zig:10   | Noticed Igyrchiw the pandemonium lord
131817 | Zig:10   | Killed Seatid the pandemonium lord
131817 | Zig:10   | Killed Jaomast the pandemonium lord
131817 | Zig:10   | Killed Weashadgh the pandemonium lord
131818 | Zig:10   | Killed Reseisuu the pandemonium lord
131818 | Zig:10   | Killed Cequnui the pandemonium lord
131818 | Zig:10   | Killed Igyrchiw the pandemonium lord
131818 | Zig:10   | Noticed Feopaf the pandemonium lord
131819 | Zig:10   | Noticed Xuckeism the pandemonium lord
131820 | Zig:10   | Noticed Lylorula the pandemonium lord
131820 | Zig:10   | Killed Xesonk the pandemonium lord
131826 | Zig:10   | Killed Ybruzam the pandemonium lord
131828 | Zig:10   | Killed Lylorula the pandemonium lord
131828 | Zig:10   | Killed Feopaf the pandemonium lord
131830 | Zig:10   | Killed Xuckeism the pandemonium lord
131953 | Zig:10   | Identified the +10 halberd "Xuis" {speed, *Slow rC+ Int+3}
131963 | Zig:10   | Identified the +0 robe "Noeruomo" {Str+2}
131975 | Zig:11   | Entered Level 11 of a ziggurat
132039 | Zig:11   | Identified the amulet "Igut" {Acrobat Int+2 Dex+3}
132046 | Zig:11   | Identified the +6 shortbow of Waabiga {elec, Str+4}
132055 | Zig:11   | Identified the ring of Vaoryhem {rC- EV+5 Int+2 Dex+3}
132159 | Zig:12   | Entered Level 12 of a ziggurat
132164 | Zig:12   | Noticed an ancient lich
132165 | Zig:12   | Killed an ancient lich
132174 | Zig:12   | Found the +7 great mace "Firestarter" {flame, immolate,
                  | rFlCloud rF++}
132356 | Zig:12   | Identified the +11 plate armour of the Guild-Master {-Cast
                  | +Inv Fly rC+++}
132418 | Zig:13   | Entered Level 13 of a ziggurat
132483 | Zig:13   | Identified the amulet of Juciqus {Rampage rPois Regen+}
132518 | Zig:13   | Identified the +2 plate armour "Igen" {Will+ rCorr Int-3
                  | Stlth+}
132681 | Zig:14   | Entered Level 14 of a ziggurat
132684 | Zig:14   | Noticed an ancient lich
132685 | Zig:14   | Noticed an ancient lich
132685 | Zig:14   | Noticed an ancient lich
132686 | Zig:14   | Killed an ancient lich
132687 | Zig:14   | Noticed a dread lich
132687 | Zig:14   | Noticed a dread lich
132687 | Zig:14   | Noticed a dread lich
132687 | Zig:14   | Noticed an ancient lich
132687 | Zig:14   | Noticed a dread lich
132688 | Zig:14   | Killed an ancient lich
132688 | Zig:14   | Killed an ancient lich
132688 | Zig:14   | Killed a dread lich
132689 | Zig:14   | Killed an ancient lich
132689 | Zig:14   | Killed a dread lich
132689 | Zig:14   | Killed a dread lich
132689 | Zig:14   | Killed a dread lich
132689 | Zig:14   | Noticed an ancient lich
132690 | Zig:14   | Noticed a dread lich
132690 | Zig:14   | Noticed an ancient lich
132690 | Zig:14   | Noticed an ancient lich
132691 | Zig:14   | Noticed a dread lich
132692 | Zig:14   | Killed a dread lich
132692 | Zig:14   | Killed an ancient lich
132692 | Zig:14   | Noticed an ancient lich
132693 | Zig:14   | Killed an ancient lich
132693 | Zig:14   | Killed a dread lich
132694 | Zig:14   | Noticed an ancient lich
132694 | Zig:14   | Noticed an ancient lich
132695 | Zig:14   | Killed an ancient lich
132695 | Zig:14   | Killed an ancient lich
132695 | Zig:14   | Killed an ancient lich
132695 | Zig:14   | Noticed an ancient lich
132695 | Zig:14   | Noticed an ancient lich
132696 | Zig:14   | Killed an ancient lich
132696 | Zig:14   | Killed an ancient lich
132696 | Zig:14   | Noticed a dread lich
132697 | Zig:14   | Killed an ancient lich
132700 | Zig:14   | Killed a dread lich
132863 | Zig:14   | Identified the amulet "Dotzatux" {Spirit +Blink Regen+}
132912 | Zig:15   | Entered Level 15 of a ziggurat
132939 | Zig:15   | Identified the +6 quarterstaff "Suntism" {freeze, ^Contam
                  | Dex+4 Stlth+}
132943 | Zig:15   | Identified the +8 dagger of Destruction {holy, rC+}
132978 | Zig:15   | Identified the +7 arbalest "Zoots" {heavy, Int+3}
133076 | Zig:15   | Identified the +1 orcbow of Fortitude {flame, Dex+3}
133078 | Zig:15   | Identified the +1 robe of Bitterness {+Blink}
133248 | Zig:16   | Entered Level 16 of a ziggurat
133430 | Zig:16   | Identified the +2 sling of the Genius {drain, ^Drain rCorr
                  | Dex+6}
133434 | Zig:16   | Identified the amulet "Qeuss" {Reflect Harm rElec Will+
                  | Str-5 SH+5}
133492 | Zig:17   | Entered Level 17 of a ziggurat
133615 | Zig:17   | Identified the +0 plate armour of Hepliaklqana's Whim
                  | {^Contam rElec Int+3}
133824 | Zig:18   | Entered Level 18 of a ziggurat
133860 | Zig:18   | Found the +3 Mad Mage's Maulers {Infuse+∞ VampMP -Cast}
134204 | Zig:18   | Identified the staff of Lies {rCorr Conj}
134238 | Zig:18   | Identified the +0 flail "Ox" {flame, SInv}
134263 | Zig:19   | Entered Level 19 of a ziggurat
134286 | Zig:19   | Noticed Guzeahirch the pandemonium lord
134290 | Zig:19   | Killed Guzeahirch the pandemonium lord
134294 | Zig:19   | Found the +10 morningstar "Eos" {elec, Halo rElec}
134359 | Zig:19   | Identified the staff of Vehumet's Anger {+Blink rF+ rC- rN+
                  | Necro}
134371 | Zig:19   | Identified the ring "Himaosysch" {Fire rElec rCorr Dex-2}
134380 | Zig:19   | Identified the amulet "Jarhoub" {Spirit rPois rC+}
134639 | Zig:19   | Identified the +4 robe of Okawaru, Gazing {rC++ rCorr}
134664 | Zig:20   | Entered Level 20 of a ziggurat
134693 | Zig:20   | Identified the +0 plate armour "Deraix" {-Cast +Inv rN++
                  | Dex+2}
134735 | Zig:20   | Identified the staff "Wuzi" {rElec Stlth+ Air}
134746 | Zig:20   | Identified the +6 sling "Zomecvuc" {freeze, rCorr Int-2
                  | Dex+2}
134755 | Zig:20   | Identified the ring "Uniadd" {Fire Str+6 Int-3 Dex+3}
134975 | Zig:20   | Identified the ring of Plog {rElec rF+ MP+9}
134983 | Zig:20   | Identified the +5 demon blade "Zaifaimi" {pain, +Blink
                  | rElec Int+5}
134986 | Zig:20   | Identified the ring "Nuyrphaak" {+Blink rPois Will+}
135000 | Zig:20   | Identified the staff "Xiutrol" {rCorr Earth}
135050 | Zig:21   | Entered Level 21 of a ziggurat
135081 | Zig:21   | Paralysed by an air elemental for 1 turns
135133 | Zig:21   | Identified the ring "Nauxam" {Ice Dex+2}
135146 | Zig:21   | Identified the ring "Azaett" {rElec rF++ MP+9 Str+6 Dex+3}
135152 | Zig:21   | Identified the +7 battleaxe of the Owl {speed, rN+}
135172 | Zig:21   | Identified the +1 mace "Suew" {venom, Dex+4}
135179 | Zig:21   | Identified the ring "Nottoc" {rC- Will++ EV+5 Int+4}
135517 | Zig:22   | Entered Level 22 of a ziggurat
135573 | Zig:22   | Noticed Sok Ritwuh the pandemonium lord
135577 | Zig:22   | Killed Sok Ritwuh the pandemonium lord
135806 | Zig:22   | Identified the +4 triple crossbow of Qiovuup {drain, rF+}
135822 | Zig:22   | Identified the +12 halberd "Asohia" {heavy, Will+}
135859 | Zig:22   | Identified the ring "Etriog Cooz" {Fire rN++ Will+}
135870 | Zig:23   | Entered Level 23 of a ziggurat
136073 | Zig:23   | Found the +0 pair of fencer's gloves {Riposte Dex+3}
136180 | Zig:23   | Identified the ring of Tetepn {rPois rCorr AC+4 Dex+4}
136196 | Zig:23   | Identified the +9 whip of Abuse {freeze, rF+}
136202 | Zig:23   | Identified the +2 robe "Naucith" {rPois SInv Stlth-
                  | Archmagi}
136206 | Zig:23   | Identified the +0 dagger "Cackecs" {flame, Int+2}
136210 | Zig:23   | Identified the +10 war axe of Xiorhum {drain, rC+ rCorr}
136215 | Zig:23   | Identified the +10 plate armour of Understanding {Will+
                  | Int+7}
136243 | Zig:24   | Entered Level 24 of a ziggurat
136247 | Zig:24   | Noticed a dread lich
136248 | Zig:24   | Noticed an ancient lich
136250 | Zig:24   | Killed an ancient lich
136250 | Zig:24   | Killed a dread lich
136250 | Zig:24   | Noticed a dread lich
136251 | Zig:24   | Noticed an ancient lich
136252 | Zig:24   | Noticed a dread lich
136252 | Zig:24   | Killed an ancient lich
136252 | Zig:24   | Killed a dread lich
136253 | Zig:24   | Noticed a dread lich
136253 | Zig:24   | Noticed a dread lich
136253 | Zig:24   | Noticed an ancient lich
136253 | Zig:24   | Noticed a dread lich
136254 | Zig:24   | Killed a dread lich
136254 | Zig:24   | Killed a dread lich
136254 | Zig:24   | Killed an ancient lich
136254 | Zig:24   | Killed a dread lich
136255 | Zig:24   | Noticed an ancient lich
136255 | Zig:24   | Noticed a dread lich
136256 | Zig:24   | Killed a dread lich
136256 | Zig:24   | Noticed a dread lich
136256 | Zig:24   | Killed a dread lich
136256 | Zig:24   | Noticed a dread lich
136256 | Zig:24   | Killed an ancient lich
136257 | Zig:24   | Noticed an ancient lich
136257 | Zig:24   | Noticed a dread lich
136257 | Zig:24   | Noticed a dread lich
136257 | Zig:24   | Noticed a dread lich
136257 | Zig:24   | Noticed an ancient lich
136257 | Zig:24   | Noticed an ancient lich
136257 | Zig:24   | Noticed an ancient lich
136258 | Zig:24   | Killed a dread lich
136258 | Zig:24   | Killed an ancient lich
136258 | Zig:24   | Killed an ancient lich
136258 | Zig:24   | Killed an ancient lich
136259 | Zig:24   | Killed a dread lich
136259 | Zig:24   | Killed a dread lich
136259 | Zig:24   | Killed a dread lich
136259 | Zig:24   | Killed an ancient lich
136259 | Zig:24   | Killed a dread lich
136259 | Zig:24   | Noticed a dread lich
136260 | Zig:24   | Noticed a dread lich
136260 | Zig:24   | Noticed a dread lich
136260 | Zig:24   | Noticed a dread lich
136261 | Zig:24   | Killed a dread lich
136262 | Zig:24   | Killed a dread lich
136262 | Zig:24   | Killed a dread lich
136263 | Zig:24   | Killed a dread lich
136263 | Zig:24   | Noticed an ancient lich
136263 | Zig:24   | Noticed a dread lich
136264 | Zig:24   | Noticed a dread lich
136264 | Zig:24   | Noticed a dread lich
136265 | Zig:24   | Killed an ancient lich
136265 | Zig:24   | Killed a dread lich
136265 | Zig:24   | Killed a dread lich
136265 | Zig:24   | Noticed an ancient lich
136266 | Zig:24   | Noticed a dread lich
136267 | Zig:24   | Noticed an ancient lich
136268 | Zig:24   | Killed a dread lich
136268 | Zig:24   | Killed an ancient lich
136272 | Zig:24   | Killed a dread lich
136275 | Zig:24   | Killed an ancient lich
136287 | Zig:24   | Identified the +8 flail of Quelis {speed, rElec Stlth+}
136549 | Zig:24   | Identified the +0 shadow dragon scales "Vexodu" {Int+3
                  | Stlth++++}
136555 | Zig:24   | Identified the ring "Vulaur" {Wiz rN+ Dex+3}
136572 | Zig:24   | Identified the +9 sling of Durable Purpose {heavy, rF+++
                  | Int-4 Dex+6}
136577 | Zig:24   | Identified the +2 glaive "Dikhloh" {drain, rF+ Str+5
                  | Stlth-}
136585 | Zig:24   | Identified the +0 plate armour of the Screaming Gods {Dex+3
                  | Stlth+}
136626 | Zig:25   | Entered Level 25 of a ziggurat
136630 | Zig:25   | Noticed Boecza the pandemonium lord
136630 | Zig:25   | Noticed Xisupp the pandemonium lord
136632 | Zig:25   | Noticed Paur the pandemonium lord
136632 | Zig:25   | Noticed Bosh the pandemonium lord
136632 | Zig:25   | Noticed Rysiemog the pandemonium lord
136633 | Zig:25   | Killed Xisupp the pandemonium lord
136633 | Zig:25   | Noticed Dimefary the pandemonium lord
136634 | Zig:25   | Noticed Qygg the pandemonium lord
136634 | Zig:25   | Noticed Omnok the pandemonium lord
136634 | Zig:25   | Noticed Cohah the pandemonium lord
136634 | Zig:25   | Noticed Nucrilum the pandemonium lord
136634 | Zig:25   | Noticed Inlaw the pandemonium lord
136634 | Zig:25   | Noticed Odougg the pandemonium lord
136635 | Zig:25   | Noticed Pagunis the pandemonium lord
136635 | Zig:25   | Killed Paur the pandemonium lord
136636 | Zig:25   | Noticed Tyrom the pandemonium lord
136636 | Zig:25   | Noticed Udamn the pandemonium lord
136636 | Zig:25   | Noticed Xiyh the pandemonium lord
136636 | Zig:25   | Killed Bosh the pandemonium lord
136637 | Zig:25   | Killed Omnok the pandemonium lord
136637 | Zig:25   | Noticed Uxtya the pandemonium lord
136637 | Zig:25   | Noticed Zogiego the pandemonium lord
136638 | Zig:25   | Noticed Uclib the pandemonium lord
136638 | Zig:25   | Noticed Deps the pandemonium lord
136638 | Zig:25   | Noticed Hodomataj the pandemonium lord
136638 | Zig:25   | Noticed Byn Ytapi the pandemonium lord
136638 | Zig:25   | Noticed Cuxeil the pandemonium lord
136638 | Zig:25   | Noticed Tiecvoni the pandemonium lord
136638 | Zig:25   | Killed Qygg the pandemonium lord
136638 | Zig:25   | Noticed Riulufoss the pandemonium lord
136638 | Zig:25   | Noticed Xuugakhlu the pandemonium lord
136639 | Zig:25   | Noticed Dyemicka the pandemonium lord
136639 | Zig:25   | Noticed Sugahuts the pandemonium lord
136639 | Zig:25   | Noticed Han Joly the pandemonium lord
136639 | Zig:25   | Noticed Nyachuyl the pandemonium lord
136639 | Zig:25   | Killed Xiyh the pandemonium lord
136639 | Zig:25   | Killed Cohah the pandemonium lord
136639 | Zig:25   | Killed Dimefary the pandemonium lord
136639 | Zig:25   | Killed Xuugakhlu the pandemonium lord
136639 | Zig:25   | Killed Rysiemog the pandemonium lord
136639 | Zig:25   | Killed Pagunis the pandemonium lord
136639 | Zig:25   | Killed Nucrilum the pandemonium lord
136639 | Zig:25   | Noticed Xatuip the pandemonium lord
136639 | Zig:25   | Noticed Amonk the pandemonium lord
136640 | Zig:25   | Noticed Segiut the pandemonium lord
136640 | Zig:25   | Noticed Keanneoma the pandemonium lord
136640 | Zig:25   | Killed Hodomataj the pandemonium lord
136640 | Zig:25   | Noticed Beikotzuss the pandemonium lord
136640 | Zig:25   | Noticed Zeacw the pandemonium lord
136640 | Zig:25   | Noticed Ukealu Gioth the pandemonium lord
136640 | Zig:25   | Killed Sugahuts the pandemonium lord
136640 | Zig:25   | Noticed Kiveryig the pandemonium lord
136640 | Zig:25   | Noticed Jadapn the pandemonium lord
136640 | Zig:25   | Noticed Wiqit the pandemonium lord
136641 | Zig:25   | Noticed Baom the pandemonium lord
136641 | Zig:25   | Noticed Osausch the pandemonium lord
136641 | Zig:25   | Killed Odougg the pandemonium lord
136641 | Zig:25   | Killed Han Joly the pandemonium lord
136641 | Zig:25   | Killed Cuxeil the pandemonium lord
136641 | Zig:25   | Killed Zogiego the pandemonium lord
136641 | Zig:25   | Killed Amonk the pandemonium lord
136641 | Zig:25   | Killed Dyemicka the pandemonium lord
136641 | Zig:25   | Noticed Eje Norph the pandemonium lord
136641 | Zig:25   | Killed Inlaw the pandemonium lord
136642 | Zig:25   | Killed Tyrom the pandemonium lord
136642 | Zig:25   | Killed Segiut the pandemonium lord
136642 | Zig:25   | Killed Osausch the pandemonium lord
136642 | Zig:25   | Banished Deps the pandemonium lord
136642 | Zig:25   | Noticed Zogacaw the pandemonium lord
136642 | Zig:25   | Noticed Heash the pandemonium lord
136642 | Zig:25   | Noticed Tiynop the pandemonium lord
136642 | Zig:25   | Noticed Loim the pandemonium lord
136643 | Zig:25   | Killed Xatuip the pandemonium lord
136643 | Zig:25   | Killed Nyachuyl the pandemonium lord
136643 | Zig:25   | Killed Byn Ytapi the pandemonium lord
136643 | Zig:25   | Killed Kiveryig the pandemonium lord
136643 | Zig:25   | Killed Ukealu Gioth the pandemonium lord
136643 | Zig:25   | Killed Keanneoma the pandemonium lord
136643 | Zig:25   | Noticed Exkir the pandemonium lord
136644 | Zig:25   | Killed Tiecvoni the pandemonium lord
136645 | Zig:25   | Killed Eje Norph the pandemonium lord
136646 | Zig:25   | Killed Heash the pandemonium lord
136647 | Zig:25   | Killed Boecza the pandemonium lord
136647 | Zig:25   | Killed Exkir the pandemonium lord
136647 | Zig:25   | Killed Loim the pandemonium lord
136647 | Zig:25   | Killed Baom the pandemonium lord
136649 | Zig:25   | Killed Uclib the pandemonium lord
136649 | Zig:25   | Killed Udamn the pandemonium lord
136649 | Zig:25   | Killed Beikotzuss the pandemonium lord
136650 | Zig:25   | Killed Uxtya the pandemonium lord
136650 | Zig:25   | Killed Zogacaw the pandemonium lord
136650 | Zig:25   | Killed Riulufoss the pandemonium lord
136650 | Zig:25   | Killed Jadapn the pandemonium lord
136650 | Zig:25   | Noticed Lutez the pandemonium lord
136650 | Zig:25   | Noticed Jeyl the pandemonium lord
136650 | Zig:25   | Noticed Wigesk the pandemonium lord
136650 | Zig:25   | Noticed Roecs the pandemonium lord
136651 | Zig:25   | Killed Zeacw the pandemonium lord
136651 | Zig:25   | Killed Wiqit the pandemonium lord
136651 | Zig:25   | Killed Tiynop the pandemonium lord
136652 | Zig:25   | Noticed Ulealoge the pandemonium lord
136652 | Zig:25   | Noticed Xepiuclargh the pandemonium lord
136652 | Zig:25   | Killed Jeyl the pandemonium lord
136653 | Zig:25   | Noticed Orunauw the pandemonium lord
136654 | Zig:25   | Noticed Banu the pandemonium lord
136654 | Zig:25   | Noticed Sene the pandemonium lord
136655 | Zig:25   | Noticed Disiz the pandemonium lord
136655 | Zig:25   | Noticed Eggammin the pandemonium lord
136656 | Zig:25   | Killed Lutez the pandemonium lord
136656 | Zig:25   | Killed Wigesk the pandemonium lord
136656 | Zig:25   | Noticed Kyessig the pandemonium lord
136656 | Zig:25   | Noticed Xuapoit the pandemonium lord
136656 | Zig:25   | Noticed Soepiyh the pandemonium lord
136657 | Zig:25   | Killed Roecs the pandemonium lord
136658 | Zig:25   | Killed Xepiuclargh the pandemonium lord
136658 | Zig:25   | Killed Sene the pandemonium lord
136658 | Zig:25   | Killed Disiz the pandemonium lord
136658 | Zig:25   | Noticed Utanoguf the pandemonium lord
136658 | Zig:25   | Killed Orunauw the pandemonium lord
136660 | Zig:25   | Killed Eggammin the pandemonium lord
136660 | Zig:25   | Killed Soepiyh the pandemonium lord
136660 | Zig:25   | Killed Utanoguf the pandemonium lord
136660 | Zig:25   | Noticed Haheiqof the pandemonium lord
136660 | Zig:25   | Noticed Leolil the pandemonium lord
136661 | Zig:25   | Killed Kyessig the pandemonium lord
136661 | Zig:25   | Killed Leolil the pandemonium lord
136661 | Zig:25   | Noticed Ossazxig the pandemonium lord
136661 | Zig:25   | Noticed Akaxkoirgh the pandemonium lord
136661 | Zig:25   | Noticed Ifevoof the pandemonium lord
136661 | Zig:25   | Noticed Giankuni the pandemonium lord
136663 | Zig:25   | Killed Banu the pandemonium lord
136663 | Zig:25   | Killed Ifevoof the pandemonium lord
136663 | Zig:25   | Killed Ulealoge the pandemonium lord
136663 | Zig:25   | Noticed Onoar the pandemonium lord
136663 | Zig:25   | Killed Ossazxig the pandemonium lord
136664 | Zig:25   | Noticed Cubob the pandemonium lord
136664 | Zig:25   | Noticed Meval the pandemonium lord
136664 | Zig:25   | Noticed Bunte the pandemonium lord
136665 | Zig:25   | Killed Akaxkoirgh the pandemonium lord
136665 | Zig:25   | Killed Haheiqof the pandemonium lord
136665 | Zig:25   | Killed Giankuni the pandemonium lord
136668 | Zig:25   | Noticed Nunteic the pandemonium lord
136668 | Zig:25   | Noticed Halesk the pandemonium lord
136669 | Zig:25   | Killed Cubob the pandemonium lord
136669 | Zig:25   | Killed Bunte the pandemonium lord
136672 | Zig:25   | Noticed Dimenego the pandemonium lord
136672 | Zig:25   | Killed Onoar the pandemonium lord
136672 | Zig:25   | Killed Meval the pandemonium lord
136672 | Zig:25   | Killed Nunteic the pandemonium lord
136672 | Zig:25   | Killed Xuapoit the pandemonium lord
136676 | Zig:25   | Noticed Texkodal the pandemonium lord
136676 | Zig:25   | Noticed Cecwaat the pandemonium lord
136677 | Zig:25   | Noticed Ilov the pandemonium lord
136677 | Zig:25   | Killed Halesk the pandemonium lord
136678 | Zig:25   | Killed Texkodal the pandemonium lord
136678 | Zig:25   | Killed Cecwaat the pandemonium lord
136678 | Zig:25   | Killed Ilov the pandemonium lord
136679 | Zig:25   | Noticed Raliujof the pandemonium lord
136679 | Zig:25   | Noticed Saintidd the pandemonium lord
136680 | Zig:25   | Noticed Qaekedgh the pandemonium lord
136681 | Zig:25   | Killed Saintidd the pandemonium lord
136682 | Zig:25   | Killed Raliujof the pandemonium lord
136682 | Zig:25   | Killed Dimenego the pandemonium lord
136684 | Zig:25   | Killed Qaekedgh the pandemonium lord
136684 | Zig:25   | Noticed Huir Hus the pandemonium lord
136689 | Zig:25   | Killed Huir Hus the pandemonium lord
136995 | Zig:25   | Identified the +2 pair of gloves "Baracu Ycayff" {Dex+2}
137000 | Zig:25   | Identified the staff of Goymups {rElec rPois rF+ Hexes Fire
                  | Air}
137001 | Zig:25   | Identified the +9 shortbow "Xetzo" {flame, Fly rC+ Str-2
                  | Int+5}
137006 | Zig:25   | Identified the ring "Vuebri Mike" {rPois rC- rN+ Dex+7
                  | Slay-4}
137008 | Zig:25   | Identified the +4 war axe of Kuarph {elec, *Rage rCorr
                  | Str+8 Int-3}
137011 | Zig:25   | Identified the +4 long sword of Yredelemnul's Whim {speed,
                  | rC- rN+++ Will+++ rCorr}
137031 | Zig:26   | Entered Level 26 of a ziggurat
137031 | Zig:26   | Noticed a royal mummy
137031 | Zig:26   | Noticed a royal mummy
137031 | Zig:26   | Noticed a royal mummy
137031 | Zig:26   | Noticed a royal mummy
137031 | Zig:26   | Noticed a royal mummy
137031 | Zig:26   | Noticed a royal mummy
137031 | Zig:26   | Noticed a royal mummy
137031 | Zig:26   | Noticed a royal mummy
137031 | Zig:26   | Noticed a royal mummy
137031 | Zig:26   | Noticed a royal mummy
137032 | Zig:26   | Killed a royal mummy
137032 | Zig:26   | Killed a royal mummy
137032 | Zig:26   | Killed a royal mummy
137032 | Zig:26   | Killed a royal mummy
137032 | Zig:26   | Killed a royal mummy
137032 | Zig:26   | Killed a royal mummy
137032 | Zig:26   | Killed a royal mummy
137033 | Zig:26   | Noticed a royal mummy
137033 | Zig:26   | Noticed a royal mummy
137033 | Zig:26   | Killed a royal mummy
137033 | Zig:26   | Killed a royal mummy
137033 | Zig:26   | Noticed a royal mummy
137034 | Zig:26   | Killed a royal mummy
137034 | Zig:26   | Killed a royal mummy
137034 | Zig:26   | Killed a royal mummy
137034 | Zig:26   | Killed a royal mummy
137035 | Zig:26   | Noticed a royal mummy
137036 | Zig:26   | Noticed a royal mummy
137037 | Zig:26   | Noticed a royal mummy
137037 | Zig:26   | Noticed a royal mummy
137038 | Zig:26   | Killed a royal mummy
137038 | Zig:26   | Noticed a royal mummy
137039 | Zig:26   | Killed a royal mummy
137039 | Zig:26   | Killed a royal mummy
137039 | Zig:26   | Killed a royal mummy
137039 | Zig:26   | Noticed a royal mummy
137040 | Zig:26   | Killed a royal mummy
137040 | Zig:26   | Noticed a dread lich
137041 | Zig:26   | Noticed a royal mummy
137041 | Zig:26   | Noticed a royal mummy
137042 | Zig:26   | Killed a dread lich
137042 | Zig:26   | Noticed a royal mummy
137043 | Zig:26   | Noticed a royal mummy
137043 | Zig:26   | Noticed a royal mummy
137043 | Zig:26   | Noticed a royal mummy
137045 | Zig:26   | Killed a royal mummy
137045 | Zig:26   | Killed a royal mummy
137045 | Zig:26   | Killed a royal mummy
137045 | Zig:26   | Noticed a royal mummy
137045 | Zig:26   | Noticed a royal mummy
137045 | Zig:26   | Noticed a royal mummy
137046 | Zig:26   | Noticed a royal mummy
137046 | Zig:26   | Killed a royal mummy
137047 | Zig:26   | Killed a royal mummy
137047 | Zig:26   | Killed a royal mummy
137047 | Zig:26   | Killed a royal mummy
137047 | Zig:26   | Killed a royal mummy
137048 | Zig:26   | Noticed a royal mummy
137048 | Zig:26   | Noticed a royal mummy
137049 | Zig:26   | Noticed a royal mummy
137049 | Zig:26   | Noticed a royal mummy
137049 | Zig:26   | Noticed a royal mummy
137049 | Zig:26   | Noticed a royal mummy
137049 | Zig:26   | Killed a royal mummy
137050 | Zig:26   | Killed a royal mummy
137050 | Zig:26   | Killed a royal mummy
137050 | Zig:26   | Killed a royal mummy
137050 | Zig:26   | Killed a royal mummy
137050 | Zig:26   | Killed a royal mummy
137051 | Zig:26   | Noticed a royal mummy
137051 | Zig:26   | Noticed a royal mummy
137051 | Zig:26   | Noticed a royal mummy
137052 | Zig:26   | Killed a royal mummy
137052 | Zig:26   | Killed a royal mummy
137052 | Zig:26   | Killed a royal mummy
137052 | Zig:26   | Noticed a royal mummy
137054 | Zig:26   | Killed a royal mummy
137054 | Zig:26   | Killed a royal mummy
137054 | Zig:26   | Killed a royal mummy
137054 | Zig:26   | Noticed a royal mummy
137054 | Zig:26   | Noticed a royal mummy
137055 | Zig:26   | Noticed a royal mummy
137055 | Zig:26   | Noticed a royal mummy
137055 | Zig:26   | Noticed a royal mummy
137056 | Zig:26   | Killed a royal mummy
137056 | Zig:26   | Noticed a royal mummy
137057 | Zig:26   | Killed a royal mummy
137057 | Zig:26   | Killed a royal mummy
137057 | Zig:26   | Killed a royal mummy
137057 | Zig:26   | Killed a royal mummy
137057 | Zig:26   | Killed a royal mummy
137058 | Zig:26   | Killed a royal mummy
137059 | Zig:26   | Noticed a royal mummy
137059 | Zig:26   | Noticed a royal mummy
137059 | Zig:26   | Noticed a royal mummy
137061 | Zig:26   | Killed a royal mummy
137061 | Zig:26   | Killed a royal mummy
137062 | Zig:26   | Killed a royal mummy
137062 | Zig:26   | Noticed a royal mummy
137063 | Zig:26   | Noticed a royal mummy
137064 | Zig:26   | Killed a royal mummy
137064 | Zig:26   | Noticed a royal mummy
137064 | Zig:26   | Noticed a royal mummy
137065 | Zig:26   | Noticed a royal mummy
137066 | Zig:26   | Killed a royal mummy
137066 | Zig:26   | Killed a royal mummy
137066 | Zig:26   | Noticed a royal mummy
137067 | Zig:26   | Killed a royal mummy
137067 | Zig:26   | Killed a royal mummy
137067 | Zig:26   | Noticed a royal mummy
137068 | Zig:26   | Killed a royal mummy
137068 | Zig:26   | Noticed a royal mummy
137070 | Zig:26   | Killed a royal mummy
137072 | Zig:26   | Killed a royal mummy
137563 | Zig:26   | Identified the +5 war axe "Lechi" {freeze, rF+ rC+ Will+}
137565 | Zig:26   | Identified the ring of Mirth {rF+ rC+ Str+3 Stlth+}
137582 | Zig:26   | Identified the +5 triple crossbow "Sedghaihi" {heavy, rPois
                  | rC+ Int-5}
137589 | Zig:26   | Identified the +3 spear of Puipatyd {flame, +Blink Int+6}
137594 | Zig:26   | Identified the amulet of Yfaann {Faith Str+4}
137640 | Zig:27   | Entered Level 27 of a ziggurat
137659 | Zig:27   | Noticed an ancient lich
137662 | Zig:27   | Killed an ancient lich
137668 | Zig:27   | Noticed a dread lich
137670 | Zig:27   | Killed a dread lich
138022 | Zig:27   | Identified the +11 war axe of Kucyav {drain, rC+ rCorr
                  | Str-3}
138023 | Zig:27   | Identified the +5 rapier of Oluph {venom, rCorr}
138035 | Zig:27   | Identified the +3 glaive "Ythoezi" {elec, +Blink rElec
                  | Will+ Dex+4}
138036 | Zig:27   | Identified the +6 scale mail of Hedging {Fly rElec rPois
                  | MP-9}
138040 | Zig:27   | Identified the staff "Qeycannuz" {rElec rPois Str-4 Int+5
                  | Fire Alchemy}
138049 | Zig:27   | Identified the +3 chain mail "Guaclid" {Harm rC- Regen+
                  | Slay-4}
138050 | Zig:27   | Identified the +6 spear of Conscience {freeze, *Corrode
                  | rElec Will+ Str+8}
138051 | Zig:27   | Identified the +4 rapier "Vaopuim" {flame, rN+ Int+2}
138053 | Zig:27   | Identified the +0 flail "Zucouclef" {freeze, rF+ rCorr
                  | Int+3}
138054 | Zig:27   | Identified the +0 plate armour of Paubode {rCorr}
138073 | Zig:27   | Identified the amulet of Arphyickadd {Spirit rElec Str+2}
138100 | Zig:1    | Entered Level 1 of a ziggurat
138100 | Zig:1    | Noticed Jotit the pandemonium lord
138104 | Zig:1    | Killed Jotit the pandemonium lord
138140 | Zig:2    | Entered Level 2 of a ziggurat
138140 | Zig:2    | Noticed a dread lich
138140 | Zig:2    | Noticed an ancient lich
138141 | Zig:2    | Killed a dread lich
138141 | Zig:2    | Killed an ancient lich
138209 | Zig:3    | Entered Level 3 of a ziggurat
138255 | Zig:3    | Identified the staff "Demonslayer" {rPois rN+ rCorr Int-4
                  | Necro Earth}
138300 | Zig:4    | Entered Level 4 of a ziggurat
138444 | Zig:5    | Entered Level 5 of a ziggurat
138444 | Zig:5    | Noticed Seleybb the pandemonium lord
138444 | Zig:5    | Noticed Eston the pandemonium lord
138444 | Zig:5    | Noticed Qovvuach the pandemonium lord
138444 | Zig:5    | Noticed Juatiestou the pandemonium lord
138444 | Zig:5    | Noticed Woxkom the pandemonium lord
138445 | Zig:5    | Noticed Xeomif the pandemonium lord
138445 | Zig:5    | Noticed Aryreud the pandemonium lord
138446 | Zig:5    | Noticed Qorhez the pandemonium lord
138447 | Zig:5    | Killed Eston the pandemonium lord
138447 | Zig:5    | Killed Qovvuach the pandemonium lord
138448 | Zig:5    | Killed Juatiestou the pandemonium lord
138449 | Zig:5    | Killed Qorhez the pandemonium lord
138450 | Zig:5    | Noticed Esoly the pandemonium lord
138450 | Zig:5    | Noticed Jusir the pandemonium lord
138452 | Zig:5    | Killed Seleybb the pandemonium lord
138453 | Zig:5    | Killed Esoly the pandemonium lord
138453 | Zig:5    | Killed Xeomif the pandemonium lord
138453 | Zig:5    | Killed Jusir the pandemonium lord
138453 | Zig:5    | Killed Woxkom the pandemonium lord
138454 | Zig:5    | Killed Aryreud the pandemonium lord
138520 | Zig:5    | Identified the +1 spear of Causality {flame, ^Drain Fly
                  | rPois Int+2}
138522 | Zig:5    | Identified the +7 whip of Circularity {holy, rF+ rN+ Int-3
                  | SInv}
138559 | Zig:6    | Entered Level 6 of a ziggurat
138565 | Zig:6    | Found the +9 sword of Power {lifebolt}
138703 | Zig:7    | Entered Level 7 of a ziggurat
138878 | Zig:8    | Entered Level 8 of a ziggurat
139034 | Zig:8    | Identified the staff of the Wolf {rC+ rN+ Dex+4 Necro}
139035 | Zig:8    | Identified the +9 short sword of Fate {flame, rC+}
139053 | Zig:8    | Identified the +3 ring mail of Zefip {Int+3}
139070 | Zig:9    | Entered Level 9 of a ziggurat
139284 | Zig:10   | Entered Level 10 of a ziggurat
139285 | Zig:10   | Noticed Gihye the pandemonium lord
139286 | Zig:10   | Noticed Ephoti Cyvi the pandemonium lord
139286 | Zig:10   | Noticed Fuvveuc the pandemonium lord
139286 | Zig:10   | Noticed Latokeda the pandemonium lord
139288 | Zig:10   | Noticed Xuzaawn the pandemonium lord
139288 | Zig:10   | Noticed Nucoppui the pandemonium lord
139288 | Zig:10   | Noticed Cofficub the pandemonium lord
139289 | Zig:10   | Killed Ephoti Cyvi the pandemonium lord
139289 | Zig:10   | Noticed Nepn the pandemonium lord
139289 | Zig:10   | Noticed Nuarr the pandemonium lord
139289 | Zig:10   | Noticed Patot the pandemonium lord
139290 | Zig:10   | Killed Xuzaawn the pandemonium lord
139290 | Zig:10   | Killed Gihye the pandemonium lord
139290 | Zig:10   | Noticed Meossor the pandemonium lord
139290 | Zig:10   | Noticed Vosmeamy the pandemonium lord
139290 | Zig:10   | Noticed Quamih the pandemonium lord
139291 | Zig:10   | Killed Vosmeamy the pandemonium lord
139291 | Zig:10   | Killed Patot the pandemonium lord
139291 | Zig:10   | Killed Cofficub the pandemonium lord
139291 | Zig:10   | Noticed Ysuprex the pandemonium lord
139292 | Zig:10   | Killed Fuvveuc the pandemonium lord
139292 | Zig:10   | Killed Nucoppui the pandemonium lord
139292 | Zig:10   | Killed Meossor the pandemonium lord
139292 | Zig:10   | Noticed Eses the pandemonium lord
139292 | Zig:10   | Noticed Myabryts the pandemonium lord
139292 | Zig:10   | Killed Quamih the pandemonium lord
139293 | Zig:10   | Noticed Haoneug the pandemonium lord
139293 | Zig:10   | Noticed Ygopucuh the pandemonium lord
139293 | Zig:10   | Noticed Daer the pandemonium lord
139294 | Zig:10   | Killed Latokeda the pandemonium lord
139294 | Zig:10   | Noticed Quzafad the pandemonium lord
139295 | Zig:10   | Killed Nepn the pandemonium lord
139295 | Zig:10   | Killed Nuarr the pandemonium lord
139296 | Zig:10   | Killed Eses the pandemonium lord
139296 | Zig:10   | Killed Ysuprex the pandemonium lord
139296 | Zig:10   | Killed Daer the pandemonium lord
139296 | Zig:10   | Noticed Gouhesmu the pandemonium lord
139298 | Zig:10   | Noticed Xixaklez the pandemonium lord
139298 | Zig:10   | Noticed Liniboq the pandemonium lord
139299 | Zig:10   | Noticed Fonuzis the pandemonium lord
139299 | Zig:10   | Killed Myabryts the pandemonium lord
139299 | Zig:10   | Killed Ygopucuh the pandemonium lord
139299 | Zig:10   | Killed Haoneug the pandemonium lord
139300 | Zig:10   | Killed Xixaklez the pandemonium lord
139300 | Zig:10   | Killed Fonuzis the pandemonium lord
139300 | Zig:10   | Killed Liniboq the pandemonium lord
139302 | Zig:10   | Killed Gouhesmu the pandemonium lord
139309 | Zig:10   | Killed Quzafad the pandemonium lord
139445 | Zig:10   | Identified the +2 spear of Forgiveness {flame, rElec rPois
                  | rN+++ Dex-4}
139474 | Zig:10   | Identified the +2 eudemon blade "Dugg" {holy, rN+}
139476 | Zig:10   | Identified the +2 pair of boots "Hiadwon" {rF- rC+ Str+9
                  | Dex-3}
139481 | Zig:11   | Entered Level 11 of a ziggurat
139488 | Zig:11   | Paralysed by an air elemental for 1 turns
139554 | Zig:11   | Identified the +0 pair of boots "Olisuar" {Int+2}
139578 | Zig:11   | Identified the +7 morningstar "Catautuosch" {pain, Fly rC+
                  | Int+3 Dex+4}
139582 | Zig:11   | Identified the amulet "Obraquu" {Acrobat Rampage rF+ Dex+4}
139750 | Zig:12   | Entered Level 12 of a ziggurat
139915 | Zig:12   | Identified the +0 plate armour "Budipeno" {rElec Regen+
                  | Slay+6}
139940 | Zig:12   | Identified the ring "Riorausu" {Wiz rElec Dex+3}
139952 | Zig:12   | Identified the ring of Internal Strife {*Slow rElec rCorr
                  | Int+6 Stlth-}
139980 | Zig:12   | Identified the staff of Eplojin {rF- Str-2 Conj Necro
                  | Earth}
140024 | Zig:13   | Entered Level 13 of a ziggurat
140054 | Zig:13   | Noticed a dread lich
140058 | Zig:13   | Killed a dread lich
140076 | Zig:13   | Identified the +0 swamp dragon scales "Ajyx" {Rampage rPois
                  | rF+ Will+ MP+9 Int-4}
140121 | Zig:13   | Identified the +9 longbow of Doom {flame, MP+9 Int+5 Dex-5}
140131 | Zig:13   | Identified the +1 rapier of Agony {vamp, rC+ Int+4 Dex-4}
140135 | Zig:13   | Identified the +6 chain mail "Juyh" {rPois rC+ Dex+3}
140137 | Zig:13   | Identified the ring "Detasoic" {Fly Will+ Slay+3}
140142 | Zig:13   | Identified the +3 scale mail "Oniad" {-Tele rC+ rN+ rCorr}
140144 | Zig:13   | Identified the ring of Vijeis {rN+ Int+3 SInv}
140169 | Zig:13   | Identified the +4 great sword of Nemelex Xobeh, Mauling
                  | {venom, rF+}
140395 | Zig:14   | Entered Level 14 of a ziggurat
140395 | Zig:14   | Noticed a royal mummy
140403 | Zig:14   | Killed a royal mummy
140416 | Zig:14   | Found the +5 Storm Queen's Shield {shock, Fly rElec}
140685 | Zig:14   | Identified the +6 orcbow of Dominance {drain, Dex+3 SInv}
140690 | Zig:14   | Identified the +1 robe "Uwuov" {+Inv rF+ Str-4}
140752 | Zig:15   | Entered Level 15 of a ziggurat
140754 | Zig:15   | Noticed a royal mummy
140757 | Zig:15   | Killed a royal mummy
140758 | Zig:15   | Noticed a royal mummy
140758 | Zig:15   | Noticed a royal mummy
140760 | Zig:15   | Killed a royal mummy
140761 | Zig:15   | Killed a royal mummy
140762 | Zig:15   | Noticed a royal mummy
140762 | Zig:15   | Noticed a royal mummy
140763 | Zig:15   | Killed a royal mummy
140764 | Zig:15   | Killed a royal mummy
140764 | Zig:15   | Noticed a royal mummy
140765 | Zig:15   | Noticed a royal mummy
140768 | Zig:15   | Noticed a royal mummy
140768 | Zig:15   | Noticed a royal mummy
140769 | Zig:15   | Killed a royal mummy
140769 | Zig:15   | Killed a royal mummy
140770 | Zig:15   | Noticed a royal mummy
140770 | Zig:15   | Noticed a royal mummy
140771 | Zig:15   | Killed a royal mummy
140771 | Zig:15   | Killed a royal mummy
140772 | Zig:15   | Noticed a royal mummy
140773 | Zig:15   | Killed a royal mummy
140773 | Zig:15   | Killed a royal mummy
140775 | Zig:15   | Killed a royal mummy
140776 | Zig:15   | Noticed a royal mummy
140776 | Zig:15   | Noticed a royal mummy
140776 | Zig:15   | Noticed a royal mummy
140777 | Zig:15   | Killed a royal mummy
140778 | Zig:15   | Noticed a royal mummy
140779 | Zig:15   | Killed a royal mummy
140780 | Zig:15   | Found the +4 Cigotuvi's embrace {Corpsefed rMiasma ^Drain
                  | rN+}
140782 | Zig:15   | Killed a royal mummy
140785 | Zig:15   | Killed a royal mummy
140837 | Zig:15   | Identified the +0 helmet of Puckish Curiosity {Int+2}
140854 | Zig:15   | Identified the +1 pair of boots of Gupo {rN+}
140863 | Zig:15   | Identified the amulet of Nehy {Reflect +Blink Dex+3 SH+5}
141138 | Zig:16   | Entered Level 16 of a ziggurat
141145 | Zig:16   | Noticed a dread lich
141145 | Zig:16   | Noticed a dread lich
141145 | Zig:16   | Noticed an ancient lich
141145 | Zig:16   | Noticed a dread lich
141146 | Zig:16   | Killed a dread lich
141147 | Zig:16   | Noticed a dread lich
141148 | Zig:16   | Killed a dread lich
141148 | Zig:16   | Killed a dread lich
141148 | Zig:16   | Killed an ancient lich
141149 | Zig:16   | Noticed a dread lich
141149 | Zig:16   | Noticed an ancient lich
141149 | Zig:16   | Noticed an ancient lich
141150 | Zig:16   | Killed an ancient lich
141151 | Zig:16   | Noticed a dread lich
141151 | Zig:16   | Noticed a dread lich
141152 | Zig:16   | Killed a dread lich
141152 | Zig:16   | Killed a dread lich
141152 | Zig:16   | Killed an ancient lich
141152 | Zig:16   | Killed a dread lich
141152 | Zig:16   | Killed a dread lich
141152 | Zig:16   | Noticed a dread lich
141152 | Zig:16   | Noticed an ancient lich
141152 | Zig:16   | Noticed a dread lich
141152 | Zig:16   | Noticed a dread lich
141152 | Zig:16   | Noticed an ancient lich
141153 | Zig:16   | Noticed a dread lich
141154 | Zig:16   | Killed a dread lich
141154 | Zig:16   | Killed a dread lich
141154 | Zig:16   | Killed an ancient lich
141154 | Zig:16   | Killed a dread lich
141155 | Zig:16   | Killed an ancient lich
141155 | Zig:16   | Killed a dread lich
141155 | Zig:16   | Noticed an ancient lich
141156 | Zig:16   | Noticed a dread lich
141156 | Zig:16   | Noticed an ancient lich
141156 | Zig:16   | Noticed an ancient lich
141157 | Zig:16   | Killed a dread lich
141157 | Zig:16   | Killed an ancient lich
141157 | Zig:16   | Noticed a dread lich
141157 | Zig:16   | Noticed an ancient lich
141157 | Zig:16   | Noticed a dread lich
141158 | Zig:16   | Noticed an ancient lich
141158 | Zig:16   | Noticed an ancient lich
141158 | Zig:16   | Killed an ancient lich
141159 | Zig:16   | Killed an ancient lich
141159 | Zig:16   | Killed an ancient lich
141161 | Zig:16   | Noticed a dread lich
141161 | Zig:16   | Killed a dread lich
141161 | Zig:16   | Killed a dread lich
141161 | Zig:16   | Killed an ancient lich
141161 | Zig:16   | Killed a dread lich
141162 | Zig:16   | Killed an ancient lich
141410 | Zig:16   | Identified the ring "Ogyr" {Ice ^Drain rPois Str-2 Dex+6}
141499 | Zig:17   | Entered Level 17 of a ziggurat
141530 | Zig:17   | Noticed a dread lich
141530 | Zig:17   | Killed a dread lich
141633 | Zig:17   | Found the sphere of Battle
141635 | Zig:17   | Found the +2 ratskin cloak {*Rats rPois rN+ Str-1 Int-1
                  | Dex+1}
141659 | Zig:17   | Identified the +8 mace of Evisceration {flame, rN++ Str-2
                  | Int-3 Dex+2}
141661 | Zig:17   | Identified the ring "Pugucido" {rC+ rN+ SInv}
141673 | Zig:17   | Identified the +2 ring mail of Mumblety Peg {Str+4}
141674 | Zig:17   | Identified the +6 morningstar of the Ring {antimagic,
                  | Stlth+}
141680 | Zig:17   | Identified the +0 plate armour "Ataxet" {Str+3}
141702 | Zig:17   | Identified the +1 sling "Vilapn" {drain, rN+++ Will- rCorr
                  | Int-3}
141706 | Zig:17   | Identified the staff "Tatelong" {rN+ Str+2 Necro Tloc}
141992 | Zig:18   | Entered Level 18 of a ziggurat
142058 | Zig:18   | Noticed Mopok the pandemonium lord
142062 | Zig:18   | Killed Mopok the pandemonium lord
142240 | Zig:18   | Found the +10 tower shield of Ignorance {rN+ Int-4}
142259 | Zig:18   | Identified the ring "Foamaywo" {Fly EV+5 Stlth+}
142262 | Zig:18   | Identified the +4 spear "Jyoqoeje" {heavy, Fly Str+5}
142264 | Zig:18   | Identified the +5 trident "Weq Daiq" {holy, rF- Will+ rCorr
                  | Dex+3}
142274 | Zig:18   | Identified the +6 great mace of Sharkskin {freeze, rN++}
142287 | Zig:18   | Identified the staff of Xittoer {rF+++ rC+ Str-2 Dex-5 Conj
                  | Ice}
142295 | Zig:18   | Identified the +1 lajatang "Spiderslayer" {pain, Will+
                  | Dex+2}
142302 | Zig:18   | Identified the +9 battleaxe of the Five Nightingales
                  | {drain, rF+ Str+3}
142393 | Zig:19   | Entered Level 19 of a ziggurat
142423 | Zig:19   | Paralysed by an air elemental for 1 turns
142588 | Zig:19   | Found the +8 Vampire's Tooth {megavamp}
142615 | Zig:19   | Identified the +0 hand axe of Terror {freeze, rF+ Int+4
                  | Stlth+}
142624 | Zig:19   | Identified the +0 shadow dragon scales "Xiarenaj" {rN+
                  | Stlth++++}
142629 | Zig:19   | Identified the +4 hand axe of Xyhidwum {freeze, rF+ rCorr
                  | Dex+3}
142631 | Zig:19   | Identified the +5 broad axe "Cellien" {chaos, rC+++ Str-4
                  | Int+3 Stlth+}
142642 | Zig:19   | Identified the +1 sling of Mandamus {heavy, rPois Int+2}
142643 | Zig:19   | Identified the +7 dagger "Nikuzigg" {freeze, rElec Dex+3}
142644 | Zig:19   | Identified the +9 orcbow "Vutheuly" {speed, rCorr Int+3}
142654 | Zig:19   | Identified the ring "Tifiran" {^Contam rElec rPois Will+
                  | Str+8}
142666 | Zig:19   | Identified the ring of Fadwukk {MP+9 Str+3}
142670 | Zig:19   | Identified the staff "Fezxalep" {rF+ rN+++ Int-2 Summ Necro
                  | Fire}
142672 | Zig:19   | Identified the +5 great sword "Hutzyx" {flame, rElec rC-
                  | rCorr}
142688 | Zig:19   | Identified the +5 plate armour of Quxkead {rC++ Will-
                  | Stlth+}
142789 | Zig:20   | Entered Level 20 of a ziggurat
142814 | Zig:20   | Noticed a dread lich
142815 | Zig:20   | Killed a dread lich
142818 | Zig:20   | Paralysed by accursed screaming for 2 turns
142832 | Zig:20   | Found the +3 robe of Clouds {*Thunder rCloud rElec}
142836 | Zig:20   | Killed a starcursed mass
143134 | Zig:20   | Identified the ring of Sloth {rElec rF+ rCorr Str+2 Dex-5}
143170 | Zig:20   | Identified the ring of Irrepressible Laughter {Fly rF+
                  | Int-3 Dex+3}
143217 | Zig:20   | Identified the +13 plate armour "Joohew" {Fly}
143294 | Zig:21   | Entered Level 21 of a ziggurat
143330 | Zig:21   | Found the +2 pair of slick slippers {slick, slippery, EV+4}
143349 | Zig:21   | Killed a starcursed mass
143505 | Zig:21   | Identified the +7 battleaxe of the Old World {venom, rElec
                  | Str+2}
143528 | Zig:21   | Identified the +7 quarterstaff "Coymug Joepn" {spect, Dex+3
                  | SInv Stlth+}
143536 | Zig:21   | Identified the +4 scale mail "Vautulit" {rPois rF+++ Will-
                  | Regen+}
143541 | Zig:21   | Identified the +9 battleaxe of Mayhem {freeze, +Blink rC+
                  | Str+2}
143542 | Zig:21   | Identified the ring "Yrchomel" {rPois Will+ Int+3 Dex+4
                  | Stlth+}
143809 | Zig:22   | Entered Level 22 of a ziggurat
143820 | Zig:22   | Noticed an ancient lich
143820 | Zig:22   | Noticed an ancient lich
143820 | Zig:22   | Noticed a dread lich
143821 | Zig:22   | Noticed a dread lich
143821 | Zig:22   | Noticed a dread lich
143822 | Zig:22   | Noticed a dread lich
143823 | Zig:22   | Killed a dread lich
143823 | Zig:22   | Killed a dread lich
143823 | Zig:22   | Killed a dread lich
143823 | Zig:22   | Killed an ancient lich
143823 | Zig:22   | Killed an ancient lich
143823 | Zig:22   | Killed a dread lich
143823 | Zig:22   | Noticed a dread lich
143824 | Zig:22   | Noticed a dread lich
143824 | Zig:22   | Noticed an ancient lich
143825 | Zig:22   | Killed an ancient lich
143825 | Zig:22   | Killed a dread lich
143826 | Zig:22   | Noticed an ancient lich
143826 | Zig:22   | Noticed an ancient lich
143826 | Zig:22   | Noticed a dread lich
143826 | Zig:22   | Noticed a dread lich
143826 | Zig:22   | Noticed an ancient lich
143826 | Zig:22   | Noticed a dread lich
143826 | Zig:22   | Noticed a dread lich
143827 | Zig:22   | Noticed an ancient lich
143827 | Zig:22   | Killed an ancient lich
143827 | Zig:22   | Killed a dread lich
143827 | Zig:22   | Killed a dread lich
143827 | Zig:22   | Noticed a dread lich
143827 | Zig:22   | Noticed a dread lich
143828 | Zig:22   | Noticed an ancient lich
143828 | Zig:22   | Noticed an ancient lich
143828 | Zig:22   | Noticed a dread lich
143828 | Zig:22   | Noticed an ancient lich
143828 | Zig:22   | Noticed a dread lich
143828 | Zig:22   | Noticed a dread lich
143828 | Zig:22   | Killed a dread lich
143829 | Zig:22   | Killed an ancient lich
143829 | Zig:22   | Killed a dread lich
143829 | Zig:22   | Killed an ancient lich
143829 | Zig:22   | Killed a dread lich
143829 | Zig:22   | Killed a dread lich
143829 | Zig:22   | Killed a dread lich
143829 | Zig:22   | Killed a dread lich
143829 | Zig:22   | Killed a dread lich
143829 | Zig:22   | Killed an ancient lich
143829 | Zig:22   | Noticed a dread lich
143829 | Zig:22   | Noticed a dread lich
143829 | Zig:22   | Killed an ancient lich
143829 | Zig:22   | Noticed a dread lich
143830 | Zig:22   | Noticed a dread lich
143830 | Zig:22   | Noticed a dread lich
143830 | Zig:22   | Killed an ancient lich
143831 | Zig:22   | Killed a dread lich
143831 | Zig:22   | Killed a dread lich
143831 | Zig:22   | Killed a dread lich
143831 | Zig:22   | Killed an ancient lich
143831 | Zig:22   | Killed a dread lich
143831 | Zig:22   | Killed a dread lich
143832 | Zig:22   | Noticed an ancient lich
143832 | Zig:22   | Noticed an ancient lich
143832 | Zig:22   | Noticed an ancient lich
143832 | Zig:22   | Noticed a dread lich
143833 | Zig:22   | Noticed a dread lich
143833 | Zig:22   | Killed a dread lich
143833 | Zig:22   | Killed an ancient lich
143833 | Zig:22   | Killed an ancient lich
143833 | Zig:22   | Killed a dread lich
143833 | Zig:22   | Noticed a dread lich
143834 | Zig:22   | Noticed a dread lich
143834 | Zig:22   | Noticed a dread lich
143834 | Zig:22   | Noticed a dread lich
143835 | Zig:22   | Killed a dread lich
143835 | Zig:22   | Killed an ancient lich
143835 | Zig:22   | Killed a dread lich
143835 | Zig:22   | Killed a dread lich
143836 | Zig:22   | Noticed a dread lich
143837 | Zig:22   | Killed a dread lich
143837 | Zig:22   | Killed a dread lich
143838 | Zig:22   | Killed a dread lich
143839 | Zig:22   | Noticed a dread lich
143840 | Zig:22   | Killed a dread lich
144050 | Zig:22   | Identified the +1 scale mail of Subotu {Slay+2}
144098 | Zig:22   | Identified the +1 great sword of the Grave {spect, Str+2
                  | Dex+4 Stlth+}
144100 | Zig:22   | Identified the staff of Conscience {^Drain rElec rC++ rN+
                  | Dex+3 Air}
144235 | Zig:23   | Entered Level 23 of a ziggurat
144320 | Zig:23   | Identified the +1 great sword "Zusuc" {vamp, rC+ Int+3}
144335 | Zig:23   | Identified the +1 robe of Focus {rPois Str+2 Archmagi}
144784 | Zig:23   | Identified the +11 sling "Adeoru" {speed, rElec Str+3}
144785 | Zig:23   | Identified the staff "Vojeheu" {rPois rC+ Stlth+ Ice}
144874 | Zig:24   | Entered Level 24 of a ziggurat
144885 | Zig:24   | Noticed Anihuhunn's ghost (adept GrEE)
144885 | Zig:24   | Noticed Suikiutuiv's ghost (adept GrEE)
144885 | Zig:24   | Noticed Suikiutuiv's ghost (adept GrEE)
144886 | Zig:24   | Noticed Pagapt's ghost (legendary HOMo)
144886 | Zig:24   | Noticed Anihuhunn's ghost (adept GrEE)
144888 | Zig:24   | Noticed Anihuhunn's ghost (adept GrEE)
144888 | Zig:24   | Noticed Agat's ghost (legendary GnWr)
144888 | Zig:24   | Noticed Pagapt's ghost (legendary HOMo)
144889 | Zig:24   | Noticed Pagapt's ghost (legendary HOMo)
144889 | Zig:24   | Noticed Agat's ghost (legendary GnWr)
144889 | Zig:24   | Killed Anihuhunn's ghost
144890 | Zig:24   | Noticed Anihuhunn's ghost (adept GrEE)
144890 | Zig:24   | Killed Anihuhunn's ghost
144891 | Zig:24   | Killed Anihuhunn's ghost
144891 | Zig:24   | Noticed Suikiutuiv's ghost (adept GrEE)
144891 | Zig:24   | Noticed Anihuhunn's ghost (adept GrEE)
144892 | Zig:24   | Killed Suikiutuiv's ghost
144892 | Zig:24   | Noticed Anihuhunn's ghost (adept GrEE)
144892 | Zig:24   | Noticed Agat's ghost (legendary GnWr)
144892 | Zig:24   | Noticed Suikiutuiv's ghost (adept GrEE)
144892 | Zig:24   | Noticed Agat's ghost (legendary GnWr)
144893 | Zig:24   | Killed Anihuhunn's ghost
144894 | Zig:24   | Killed Suikiutuiv's ghost
144894 | Zig:24   | Killed Anihuhunn's ghost
144894 | Zig:24   | Noticed Anihuhunn's ghost (adept GrEE)
144894 | Zig:24   | Noticed Suikiutuiv's ghost (adept GrEE)
144894 | Zig:24   | Noticed Agat's ghost (legendary GnWr)
144894 | Zig:24   | Noticed Pagapt's ghost (legendary HOMo)
144895 | Zig:24   | Killed Agat's ghost
144895 | Zig:24   | Noticed Pagapt's ghost (legendary HOMo)
144895 | Zig:24   | Noticed Wuziru's ghost (legendary GrEE)
144895 | Zig:24   | Noticed Suikiutuiv's ghost (adept GrEE)
144895 | Zig:24   | Noticed Wuziru's ghost (legendary GrEE)
144895 | Zig:24   | Killed Agat's ghost
144897 | Zig:24   | Killed Anihuhunn's ghost
144897 | Zig:24   | Killed Pagapt's ghost
144897 | Zig:24   | Killed Suikiutuiv's ghost
144897 | Zig:24   | Killed Agat's ghost
144897 | Zig:24   | Noticed Agat's ghost (legendary GnWr)
144897 | Zig:24   | Noticed Pagapt's ghost (legendary HOMo)
144898 | Zig:24   | Killed Anihuhunn's ghost
144898 | Zig:24   | Killed Suikiutuiv's ghost
144898 | Zig:24   | Killed Suikiutuiv's ghost
144898 | Zig:24   | Killed Suikiutuiv's ghost
144898 | Zig:24   | Noticed Suikiutuiv's ghost (adept GrEE)
144898 | Zig:24   | Noticed Pagapt's ghost (legendary HOMo)
144899 | Zig:24   | Killed Pagapt's ghost
144899 | Zig:24   | Killed Agat's ghost
144899 | Zig:24   | Killed Wuziru's ghost
144900 | Zig:24   | Killed Agat's ghost
144900 | Zig:24   | Noticed Pagapt's ghost (legendary HOMo)
144901 | Zig:24   | Noticed Wuziru's ghost (legendary GrEE)
144901 | Zig:24   | Killed Pagapt's ghost
144901 | Zig:24   | Noticed Anihuhunn's ghost (adept GrEE)
144902 | Zig:24   | Killed Pagapt's ghost
144902 | Zig:24   | Killed Suikiutuiv's ghost
144902 | Zig:24   | Killed Wuziru's ghost
144903 | Zig:24   | Noticed Agat's ghost (legendary GnWr)
144904 | Zig:24   | Noticed Suikiutuiv's ghost (adept GrEE)
144904 | Zig:24   | Noticed Agat's ghost (legendary GnWr)
144905 | Zig:24   | Killed Pagapt's ghost
144906 | Zig:24   | Killed Pagapt's ghost
144906 | Zig:24   | Noticed Pagapt's ghost (legendary HOMo)
144906 | Zig:24   | Noticed Suikiutuiv's ghost (adept GrEE)
144907 | Zig:24   | Killed Suikiutuiv's ghost
144907 | Zig:24   | Noticed Agat's ghost (legendary GnWr)
144907 | Zig:24   | Noticed Agat's ghost (legendary GnWr)
144907 | Zig:24   | Noticed Wuziru's ghost (legendary GrEE)
144907 | Zig:24   | Noticed Agat's ghost (legendary GnWr)
144908 | Zig:24   | Killed Wuziru's ghost
144908 | Zig:24   | Killed Pagapt's ghost
144910 | Zig:24   | Killed Pagapt's ghost
144910 | Zig:24   | Killed Agat's ghost
144910 | Zig:24   | Noticed Pagapt's ghost (legendary HOMo)
144912 | Zig:24   | Killed Agat's ghost
144912 | Zig:24   | Killed Anihuhunn's ghost
144912 | Zig:24   | Killed Suikiutuiv's ghost
144912 | Zig:24   | Noticed Suikiutuiv's ghost (adept GrEE)
144912 | Zig:24   | Noticed Agat's ghost (legendary GnWr)
144914 | Zig:24   | Killed Agat's ghost
144914 | Zig:24   | Noticed Pagapt's ghost (legendary HOMo)
144914 | Zig:24   | Noticed Wuziru's ghost (legendary GrEE)
144914 | Zig:24   | Noticed Wuziru's ghost (legendary GrEE)
144914 | Zig:24   | Killed Suikiutuiv's ghost
144915 | Zig:24   | Killed Pagapt's ghost
144915 | Zig:24   | Killed Agat's ghost
144915 | Zig:24   | Killed Agat's ghost
144915 | Zig:24   | Banished Agat's ghost
144915 | Zig:24   | Noticed Pagapt's ghost (legendary HOMo)
144915 | Zig:24   | Noticed Anihuhunn's ghost (adept GrEE)
144915 | Zig:24   | Noticed Agat's ghost (legendary GnWr)
144915 | Zig:24   | Noticed Wuziru's ghost (legendary GrEE)
144918 | Zig:24   | Noticed Suikiutuiv's ghost (adept GrEE)
144918 | Zig:24   | Banished Wuziru's ghost
144918 | Zig:24   | Noticed Anihuhunn's ghost (adept GrEE)
144918 | Zig:24   | Noticed Wuziru's ghost (legendary GrEE)
144919 | Zig:24   | Killed Wuziru's ghost
144919 | Zig:24   | Killed Pagapt's ghost
144919 | Zig:24   | Noticed Pagapt's ghost (legendary HOMo)
144919 | Zig:24   | Noticed Wuziru's ghost (legendary GrEE)
144919 | Zig:24   | Noticed Wuziru's ghost (legendary GrEE)
144920 | Zig:24   | Killed Wuziru's ghost
144920 | Zig:24   | Killed Anihuhunn's ghost
144920 | Zig:24   | Killed Wuziru's ghost
144921 | Zig:24   | Killed Agat's ghost
144921 | Zig:24   | Killed Wuziru's ghost
144921 | Zig:24   | Killed Wuziru's ghost
144921 | Zig:24   | Killed Anihuhunn's ghost
144921 | Zig:24   | Noticed Anihuhunn's ghost (adept GrEE)
144921 | Zig:24   | Noticed Agat's ghost (legendary GnWr)
144921 | Zig:24   | Noticed Pagapt's ghost (legendary HOMo)
144922 | Zig:24   | Killed Suikiutuiv's ghost
144923 | Zig:24   | Killed Pagapt's ghost
144923 | Zig:24   | Killed Wuziru's ghost
144923 | Zig:24   | Killed Pagapt's ghost
144923 | Zig:24   | Killed Agat's ghost
144923 | Zig:24   | Killed Pagapt's ghost
144923 | Zig:24   | Noticed Wuziru's ghost (legendary GrEE)
144923 | Zig:24   | Noticed Pagapt's ghost (legendary HOMo)
144923 | Zig:24   | Noticed Anihuhunn's ghost (adept GrEE)
144924 | Zig:24   | Killed Anihuhunn's ghost
144924 | Zig:24   | Killed Agat's ghost
144924 | Zig:24   | Noticed Anihuhunn's ghost (adept GrEE)
144924 | Zig:24   | Noticed Suikiutuiv's ghost (adept GrEE)
144924 | Zig:24   | Noticed Pagapt's ghost (legendary HOMo)
144925 | Zig:24   | Noticed Wuziru's ghost (legendary GrEE)
144926 | Zig:24   | Killed Anihuhunn's ghost
144926 | Zig:24   | Noticed Wuziru's ghost (legendary GrEE)
144926 | Zig:24   | Noticed Anihuhunn's ghost (adept GrEE)
144927 | Zig:24   | Killed Suikiutuiv's ghost
144927 | Zig:24   | Noticed Agat's ghost (legendary GnWr)
144927 | Zig:24   | Noticed Suikiutuiv's ghost (adept GrEE)
144927 | Zig:24   | Noticed Agat's ghost (legendary GnWr)
144928 | Zig:24   | Killed Anihuhunn's ghost
144928 | Zig:24   | Killed Wuziru's ghost
144928 | Zig:24   | Killed Anihuhunn's ghost
144930 | Zig:24   | Killed Wuziru's ghost
144930 | Zig:24   | Killed Suikiutuiv's ghost
144930 | Zig:24   | Noticed Suikiutuiv's ghost (adept GrEE)
144930 | Zig:24   | Noticed Anihuhunn's ghost (adept GrEE)
144931 | Zig:24   | Killed Pagapt's ghost
144931 | Zig:24   | Killed Pagapt's ghost
144931 | Zig:24   | Killed Anihuhunn's ghost
144932 | Zig:24   | Noticed Suikiutuiv's ghost (adept GrEE)
144932 | Zig:24   | Noticed Anihuhunn's ghost (adept GrEE)
144932 | Zig:24   | Noticed Pagapt's ghost (legendary HOMo)
144932 | Zig:24   | Noticed Anihuhunn's ghost (adept GrEE)
144932 | Zig:24   | Noticed Wuziru's ghost (legendary GrEE)
144933 | Zig:24   | Killed Agat's ghost
144933 | Zig:24   | Killed Pagapt's ghost
144933 | Zig:24   | Killed Anihuhunn's ghost
144933 | Zig:24   | Killed Suikiutuiv's ghost
144934 | Zig:24   | Killed Agat's ghost
144934 | Zig:24   | Killed Wuziru's ghost
144934 | Zig:24   | Killed Anihuhunn's ghost
144935 | Zig:24   | Killed Suikiutuiv's ghost
144935 | Zig:24   | Noticed Anihuhunn's ghost (adept GrEE)
144936 | Zig:24   | Noticed Suikiutuiv's ghost (adept GrEE)
144937 | Zig:24   | Noticed Agat's ghost (legendary GnWr)
144939 | Zig:24   | Noticed Suikiutuiv's ghost (adept GrEE)
144941 | Zig:24   | Killed Pagapt's ghost
144941 | Zig:24   | Killed Wuziru's ghost
144942 | Zig:24   | Killed Suikiutuiv's ghost
144942 | Zig:24   | Killed Anihuhunn's ghost
144945 | Zig:24   | Noticed Anihuhunn's ghost (adept GrEE)
144946 | Zig:24   | Killed Agat's ghost
144946 | Zig:24   | Killed Suikiutuiv's ghost
144948 | Zig:24   | Killed Anihuhunn's ghost
145179 | Zig:24   | Identified the +2 battleaxe "Beetle's Peril" {flame,
                  | ^Contam MP+9 Int+3 Dex+3}
145184 | Zig:24   | Identified the +1 spear of the Kidney {heavy, Str+3 Dex+3}
145204 | Zig:24   | Identified the amulet "Nawofex" {Spirit rC+ Int+3 Dex+2
                  | SInv}
145212 | Zig:24   | Identified the +0 glaive "Leogh" {freeze, Will+ rCorr
                  | Str-2}
145297 | Zig:25   | Entered Level 25 of a ziggurat
145326 | Zig:25   | Identified the +0 scale mail of the Eggfruit {rPois}
145326 | Zig:25   | Paralysed by accursed screaming for 1 turns
145331 | Zig:25   | Identified the +5 broad axe of Descent {spect, rF+ rN+
                  | Int+4}
145361 | Zig:25   | Killed a starcursed mass
145361 | Zig:25   | Killed a starcursed mass
145442 | Zig:25   | Identified the +3 leather armour of the Chimera {rF++ rCorr
                  | MP+9 Str-5}
145444 | Zig:25   | Identified the +4 whip of Sloth {heavy, *Corrode Str+6
                  | Int+4}
145450 | Zig:25   | Identified the maw talisman of Springtime {Will+ Int-4
                  | Dex+3}
145453 | Zig:25   | Identified the +4 plate armour of Zocawuxt {Harm Str+8
                  | Dex-2}
145458 | Zig:25   | Identified the +9 flail of Tuceg {antimagic, rPois rN+
                  | Str+2}
145460 | Zig:25   | Identified the +5 rapier of the Endless Expanse {spect,
                  | rF++ Int-4 Dex+2 Stlth+}
145468 | Zig:25   | Identified the +3 battleaxe of Zeobb {heavy, ^Contam *Slow
                  | rF+++ Int+7}
145470 | Zig:25   | Identified the +6 long sword "Ysiariav" {antimagic, rElec
                  | rF- Will+++ Dex+3}
145476 | Zig:25   | Identified the +7 morningstar of Sash {venom, *Noise rPois
                  | rF+}
145489 | Zig:25   | Identified the ring "Laffipp" {rElec EV+5}
145506 | Zig:25   | Identified the +3 scimitar "Wigiw" {freeze, Str+3 Int+3
                  | Dex+4}
145508 | Zig:25   | Identified the ring "Moskaito" {rF+++ rN+ MP+9 Str-4
                  | Stlth-}
145512 | Zig:25   | Identified the +1 leather armour of Snakes and Ladders
                  | {Rampage rElec rC- Stlth-}
145524 | Zig:25   | Identified the +1 pair of gloves of Decompression {rN+
                  | rCorr Str-4 Stlth+}
145529 | Zig:25   | Identified the amulet "Xuroidiv" {Rampage rPois rN+ Regen+
                  | Str+3}
145533 | Zig:25   | Identified the +1 chain mail of Okawaru's Approval {rElec
                  | Stlth+}
145990 | Zig:26   | Entered Level 26 of a ziggurat
146464 | Zig:26   | Identified the +0 chain mail of Understanding {rF- rCorr
                  | MP+9}
146470 | Zig:26   | Identified the +0 robe of Dimoheach {Str+4 Slay+3}
146485 | Zig:26   | Identified the +5 glaive "Xicvi" {freeze, rF+ rC+ Int+5
                  | Stlth-}
146501 | Zig:26   | Identified the +3 acid dragon scales "Kerpheto" {rCorr
                  | Str+3 Slay+5}
146505 | Zig:26   | Identified the ring of Qazlal's Hatred {rF+ rN+ EV+5}
146509 | Zig:26   | Identified the +0 plate armour of Springtime {rPois}
146513 | Zig:26   | Identified the +10 broad axe of the Madman {protect, Str+3
                  | Dex+6}
146626 | Zig:27   | Entered Level 27 of a ziggurat
146729 | Zig:27   | Identified the staff of Toraeh Kixad {rElec rC+ Earth}
146736 | Zig:27   | Identified the staff "Yraifyab" {^Drain rC+ rN+ Int+2 Tloc
                  | Ice}
146751 | Zig:27   | Identified the ring "Genaocy" {rN+ Will+ AC+4}
146766 | Zig:27   | Identified the +2 mace "Uberepuc" {drain, ^Fragile rElec
                  | Will+++ Int-5 Stlth+}
146769 | Zig:27   | Identified the staff "Cash" {rF+ Dex+2 Fire}
146773 | Zig:27   | Identified the +2 shortbow of Painful Death {heavy, SInv}
146801 | Zig:27   | Identified the staff of the Extremely Mad {rElec rC+ Conj}
146811 | Zig:27   | Identified the +6 great sword "Killer Bee's Foe" {spect,
                  | Dex+3}
147146 | Zig:27   | Identified the +0 helmet of Dielij {Str+4}
147308 | Depths:3 | Acquired the +0 pair of boots of the Frog {rC+ Regen+}
147331 | Depths:3 | Acquired the +0 pair of gloves of Too Many Cooks {rCorr
                  | Int+4}
147334 | Depths:3 | Acquired 1057 gold pieces
147335 | Depths:3 | Acquired 926 gold pieces
147336 | Depths:3 | Acquired 1322 gold pieces
147337 | Depths:3 | Acquired 698 gold pieces
147338 | Depths:3 | Acquired the +0 pair of gloves "Horow" {rF+}
147370 | Zig:1    | Entered Level 1 of a ziggurat
147372 | Zig:1    | Noticed Nesoaph the pandemonium lord
147372 | Zig:1    | Killed Nesoaph the pandemonium lord
147416 | Zig:2    | Entered Level 2 of a ziggurat
147416 | Zig:2    | Noticed Woatugig the pandemonium lord
147420 | Zig:2    | Killed Woatugig the pandemonium lord
147422 | Zig:2    | Noticed Olyt Umo the pandemonium lord
147429 | Zig:2    | Killed Olyt Umo the pandemonium lord
147482 | Zig:2    | Identified the amulet of Moruentudo {rPois rF- rC+ Will+
                  | Regen+}
147504 | Zig:3    | Entered Level 3 of a ziggurat
147505 | Zig:3    | Noticed a juggernaut
147509 | Zig:3    | Killed a juggernaut
147538 | Zig:3    | Identified the ring "Ageha" {rPois Dex+6 Stlth+}
147550 | Zig:3    | Identified the +10 war axe of Curosk {drain, rElec rPois
                  | Int-2 Dex+2}
147641 | Zig:4    | Entered Level 4 of a ziggurat
147641 | Zig:4    | Noticed Wafuses the pandemonium lord
147641 | Zig:4    | Noticed Risade the pandemonium lord
147641 | Zig:4    | Noticed Nononiuv the pandemonium lord
147641 | Zig:4    | Noticed Hoshurow the pandemonium lord
147642 | Zig:4    | Killed Wafuses the pandemonium lord
147642 | Zig:4    | Killed Risade the pandemonium lord
147644 | Zig:4    | Noticed Busasis the pandemonium lord
147645 | Zig:4    | Killed Nononiuv the pandemonium lord
147645 | Zig:4    | Noticed Qyji the pandemonium lord
147648 | Zig:4    | Killed Hoshurow the pandemonium lord
147649 | Zig:4    | Killed Qyji the pandemonium lord
147649 | Zig:4    | Killed Busasis the pandemonium lord
147709 | Zig:4    | Identified the staff "Humoat" {rPois Earth}
147731 | Zig:5    | Entered Level 5 of a ziggurat
147780 | Zig:5    | Identified the +2 leather armour of Huoreeq {Dex+3 Slay+3}
147792 | Zig:5    | Identified the amulet of Nibut {Spirit Will+ Slay+2}
147846 | Zig:6    | Entered Level 6 of a ziggurat
147854 | Zig:6    | Found the +15 Maxwell's patent armour {-Cast -Tele rElec
                  | Will+ rCorr}
147965 | Zig:6    | Identified the +1 ring mail of the Blue God {rF+}
147979 | Zig:6    | Identified the ring of Eternal Harmony {rPois Dex+4}
148006 | Zig:7    | Entered Level 7 of a ziggurat
148006 | Zig:7    | Noticed an orb of fire
148006 | Zig:7    | Noticed an orb of fire
148007 | Zig:7    | Noticed an orb of fire
148009 | Zig:7    | Noticed an orb of fire
148009 | Zig:7    | Noticed an orb of fire
148009 | Zig:7    | Noticed an orb of fire
148011 | Zig:7    | Noticed an orb of fire
148011 | Zig:7    | Noticed an orb of fire
148012 | Zig:7    | Killed an orb of fire
148012 | Zig:7    | Noticed an orb of fire
148013 | Zig:7    | Noticed an orb of fire
148015 | Zig:7    | Killed an orb of fire
148015 | Zig:7    | Killed an orb of fire
148015 | Zig:7    | Killed an orb of fire
148016 | Zig:7    | Noticed an orb of fire
148017 | Zig:7    | Noticed an orb of fire
148017 | Zig:7    | Noticed an orb of fire
148017 | Zig:7    | Noticed an orb of fire
148017 | Zig:7    | Noticed an orb of fire
148018 | Zig:7    | Killed an orb of fire
148018 | Zig:7    | Killed an orb of fire
148018 | Zig:7    | Killed an orb of fire
148019 | Zig:7    | Noticed an orb of fire
148021 | Zig:7    | Killed an orb of fire
148021 | Zig:7    | Killed an orb of fire
148021 | Zig:7    | Killed an orb of fire
148023 | Zig:7    | Killed an orb of fire
148023 | Zig:7    | Killed an orb of fire
148023 | Zig:7    | Killed an orb of fire
148025 | Zig:7    | Killed an orb of fire
148025 | Zig:7    | Killed an orb of fire
148025 | Zig:7    | Killed an orb of fire
148145 | Zig:8    | Entered Level 8 of a ziggurat
148307 | Zig:8    | Identified the +7 plate armour "Agofodd" {Str-5 Int+8
                  | Slay-2}
148311 | Zig:8    | Identified the ring "Ruahacih" {rC+ Int+2}
148317 | Zig:8    | Identified the +5 dagger "Xoxyj" {speed, ^Fragile rF+++
                  | rCorr MP+9}
148332 | Zig:8    | Identified the +8 shortbow "Ticereucs" {antimagic, Int+3
                  | Dex+3 SInv}
148337 | Zig:8    | Identified the +5 dagger of the Burning God {flame, Str+4}
148356 | Zig:8    | Identified the staff of Balass {rC+ rN+ rCorr Str-5 Necro}
148367 | Zig:9    | Entered Level 9 of a ziggurat
148556 | Zig:9    | Identified the +1 rapier "Omejef" {vamp, rElec}
148557 | Zig:9    | Identified the +1 robe of Xefas {rN++ rCorr Stlth-}
148562 | Zig:10   | Entered Level 10 of a ziggurat
148771 | Zig:11   | Entered Level 11 of a ziggurat
148782 | Zig:11   | Paralysed by accursed screaming for 1 turns
148852 | Zig:11   | Identified the +1 rapier of the Hidden Vale {drain, Int+3}
148853 | Zig:11   | Identified the +2 chain mail "Ceymeleb" {rElec rPois Regen+
                  | Dex-2}
148860 | Zig:11   | Identified the +6 flail "Syoll" {freeze, rPois Str+6 Dex-4
                  | Stlth+}
148862 | Zig:11   | Identified the +10 scimitar of Narhaung {drain, rN+}
148863 | Zig:11   | Identified the +0 crystal plate armour "Kusefomif" {rElec
                  | rN+ Dex+2}
148866 | Zig:11   | Identified the +9 short sword "Moom" {freeze, *Rage ^Drain
                  | rF+++ Dex+6}
148867 | Zig:11   | Identified the +3 sling "Builikke" {antimagic, Int+3}
148871 | Zig:11   | Identified the +4 flail of the Past {pain, rF- rN+ MP+9}
148910 | Zig:11   | Identified the +1 orcbow of Chaos {freeze, Stlth+}
148920 | Zig:11   | Identified the staff "Killer Klown's Peril" {rN+ Dex+3
                  | Necro}
149099 | Zig:12   | Entered Level 12 of a ziggurat
149116 | Zig:12   | Noticed Edoihoec the pandemonium lord
149122 | Zig:12   | Killed Edoihoec the pandemonium lord
149125 | Zig:12   | Found the +6 lightning scales {swift, rElec}
149359 | Zig:12   | Identified the ring "Namniuxe" {Will+ Int+5}
149364 | Zig:12   | Identified the +4 robe "Jeymupu" {^Drain rC+ Slay+3}
149368 | Zig:12   | Identified the staff "Xeuna" {^Fragile rPois rN+++ Air
                  | Earth}
149369 | Zig:12   | Identified the +6 plate armour "Meipheg" {rF+}
149371 | Zig:12   | Identified the +5 fire dragon scales of Hepliaklqana's Hope
                  | {^Contam rF++ rC- rCorr Str+4}
149372 | Zig:12   | Identified the +1 dagger "Peonuzeten" {drain, Will++}
149380 | Zig:13   | Entered Level 13 of a ziggurat
149389 | Zig:13   | Paralysed by an air elemental for 1 turns
149396 | Zig:13   | Found the +8 trident of the Octopus King {venom, rElec
                  | rPois}
149452 | Zig:13   | Identified the +10 glaive "Bogoan" {protect, rC+ Str-4
                  | Dex+5}
149468 | Zig:13   | Identified the +7 chain mail of the Enchanted Forest {rC+++
                  | rCorr Str-2 SInv}
149472 | Zig:13   | Identified the ring "Fothri" {rPois Will++}
149480 | Zig:13   | Identified the +1 flail "Wopextod" {venom, *Corrode rElec
                  | rF+++ SInv}
149751 | Zig:14   | Entered Level 14 of a ziggurat
149988 | Zig:14   | Identified the +5 dire flail "Nisad" {pain, Int+2}
149999 | Zig:14   | Identified the +8 spear of Gin and Tonic {freeze, Str+2}
150003 | Zig:14   | Identified the +7 chain mail "Ararumi" {Dex+5}
150015 | Zig:15   | Entered Level 15 of a ziggurat
150133 | Zig:15   | Identified the storm talisman of the Rotten God {Int+3}
150158 | Zig:15   | Identified the +6 dire flail of Fihuo {flame, +Blink rF+
                  | Str-3}
150160 | Zig:15   | Identified the ring of Kuonog {Fly rC+ rCorr Str+6 Dex+3}
150186 | Zig:15   | Identified the +0 mace of Purpose {vamp, rC- rN+ Str+2}
150333 | Zig:16   | Entered Level 16 of a ziggurat
150554 | Zig:16   | Identified the +10 great mace of Obiter Dictum {freeze,
                  | ^Contam rF++ rCorr}
150571 | Zig:16   | Identified the ring "Qupliffapp" {rF+ SInv}
150591 | Zig:16   | Identified the +4 orcbow "Ukyfit" {freeze, Dex+4}
150606 | Zig:16   | Identified the amulet "Onocavau" {Acrobat SInv}
150655 | Zig:17   | Entered Level 17 of a ziggurat
150674 | Zig:17   | Paralysed by an air elemental for 1 turns
150739 | Zig:17   | Identified the ring of Wenaowot {rCorr Dex+6}
150744 | Zig:17   | Identified the staff "Gyisaud" {rF+ MP+9 Fire}
150765 | Zig:17   | Identified the +3 leather armour of the Elven Halls {rC+
                  | Regen+ Str+3}
151131 | Zig:18   | Entered Level 18 of a ziggurat
151152 | Zig:18   | Found the +1 cloak of Starlight {*Dazzle EV+4 Stlth--}
151222 | Zig:18   | Identified the +8 scimitar "Impbane" {antimagic, +Blink rF-
                  | Str+3 Int+4}
151482 | Zig:18   | Identified the +7 falchion "Favidgh" {spect, Str+3}
151488 | Zig:18   | Identified the ring of the Slug {Fly rPois Slay+6}
151541 | Zig:18   | Identified the +6 demon whip of Usier {pain, rF+ Int+2}
151565 | Zig:19   | Entered Level 19 of a ziggurat
151633 | Zig:19   | Identified the ring "Jycurik" {rN+ Str+6 Int+3}
151640 | Zig:19   | Identified the ring "Varoxzy" {*Slow rPois rC- MP+9 SInv}
151642 | Zig:19   | Identified the +0 scale mail of Benevolence {+Blink rElec
                  | Will- Slay+6}
151645 | Zig:19   | Identified the +10 eveningstar of the Dove {spect, rPois}
151646 | Zig:19   | Identified the ring "Useocer" {rN+ Dex+4 Slay+3}
151648 | Zig:19   | Identified the ring "Zoibir" {rN+ AC+4 Str-2 Dex+3}
151654 | Zig:19   | Identified the ring of Simipnebb {rElec rC+ Dex+8 Slay-2}
151671 | Zig:19   | Identified the +0 ring mail "Cyapt" {^Contam rF+ Will++
                  | Str+3}
152051 | Zig:19   | Identified the +6 eudemon blade of Pandemonium {holy, rF+}
152056 | Zig:20   | Entered Level 20 of a ziggurat
152056 | Zig:20   | Noticed a juggernaut
152056 | Zig:20   | Noticed a juggernaut
152056 | Zig:20   | Noticed a juggernaut
152056 | Zig:20   | Noticed a juggernaut
152056 | Zig:20   | Noticed a juggernaut
152056 | Zig:20   | Noticed a juggernaut
152056 | Zig:20   | Noticed a juggernaut
152056 | Zig:20   | Noticed a juggernaut
152056 | Zig:20   | Noticed a juggernaut
152056 | Zig:20   | Noticed a juggernaut
152057 | Zig:20   | Killed a juggernaut
152058 | Zig:20   | Killed a juggernaut
152058 | Zig:20   | Killed a juggernaut
152058 | Zig:20   | Killed a juggernaut
152058 | Zig:20   | Killed a juggernaut
152058 | Zig:20   | Killed a juggernaut
152058 | Zig:20   | Killed a juggernaut
152058 | Zig:20   | Killed a juggernaut
152059 | Zig:20   | Noticed a juggernaut
152060 | Zig:20   | Noticed a juggernaut
152060 | Zig:20   | Killed a juggernaut
152060 | Zig:20   | Killed a juggernaut
152060 | Zig:20   | Noticed a juggernaut
152062 | Zig:20   | Killed a juggernaut
152064 | Zig:20   | Killed a juggernaut
152064 | Zig:20   | Killed a juggernaut
152068 | Zig:20   | Noticed a juggernaut
152068 | Zig:20   | Noticed a juggernaut
152070 | Zig:20   | Noticed a juggernaut
152070 | Zig:20   | Killed a juggernaut
152071 | Zig:20   | Noticed a juggernaut
152071 | Zig:20   | Noticed a juggernaut
152072 | Zig:20   | Killed a juggernaut
152074 | Zig:20   | Killed a juggernaut
152074 | Zig:20   | Killed a juggernaut
152076 | Zig:20   | Noticed a juggernaut
152077 | Zig:20   | Noticed a juggernaut
152078 | Zig:20   | Killed a juggernaut
152078 | Zig:20   | Noticed a juggernaut
152080 | Zig:20   | Killed a juggernaut
152080 | Zig:20   | Killed a juggernaut
152082 | Zig:20   | Killed a juggernaut
152563 | Zig:20   | Identified the staff of Freehold {rC+ Int+6 SInv Conj}
152566 | Zig:20   | Identified the ring of Giotabla {rCorr Str+3}
152575 | Zig:20   | Identified the +0 pair of boots of the Fortifying Gods
                  | {rN+++ rCorr Slay-5 Stlth+}
152582 | Zig:20   | Identified the +2 morningstar "Simozxag" {freeze, rC+}
152587 | Zig:20   | Identified the +1 plate armour of the Flute {rCorr Str+2
                  | Int-3 SInv}
152591 | Zig:20   | Identified the +2 long sword of Dumez {pain, Str+4}
152620 | Zig:21   | Entered Level 21 of a ziggurat
152748 | Zig:21   | Identified the +0 leather armour of Resonance {rPois rF+}
152757 | Zig:21   | Identified the +4 robe of the Ward {+Blink rF- Will+ Int+7}
152767 | Zig:21   | Identified the +3 demon whip "Zinkov" {vamp, *Rage *Corrode
                  | rElec Str+6}
152775 | Zig:21   | Identified the staff "Kimemmow" {rPois rC+ Dex-2 SInv Air
                  | Alchemy}
152779 | Zig:21   | Identified the ring "Udunuf" {Will+ Str+6}
152802 | Zig:21   | Identified the +9 plate armour "Iroqaaly" {rC+ rN+ Will+}
152808 | Zig:21   | Identified the ring of the Raven {^Contam *Corrode rF+
                  | rC+++ Dex+4}
152810 | Zig:21   | Identified the ring of the Imp {rElec rF+ rC+ Will+ rCorr}
153108 | Zig:21   | Identified the +4 eudemon blade "Bogury" {holy, rElec rF+
                  | Dex+2}
153120 | Zig:22   | Entered Level 22 of a ziggurat
153121 | Zig:22   | Noticed an ancient lich
153122 | Zig:22   | Noticed an ancient lich
153123 | Zig:22   | Killed an ancient lich
153123 | Zig:22   | Noticed an ancient lich
153124 | Zig:22   | Killed an ancient lich
153124 | Zig:22   | Killed an ancient lich
153125 | Zig:22   | Noticed an ancient lich
153126 | Zig:22   | Killed an ancient lich
153128 | Zig:22   | Noticed an ancient lich
153129 | Zig:22   | Killed an ancient lich
153132 | Zig:22   | Noticed an ancient lich
153134 | Zig:22   | Killed an ancient lich
153135 | Zig:22   | Noticed an ancient lich
153135 | Zig:22   | Noticed an ancient lich
153136 | Zig:22   | Killed an ancient lich
153136 | Zig:22   | Noticed an ancient lich
153138 | Zig:22   | Killed an ancient lich
153139 | Zig:22   | Killed an ancient lich
153139 | Zig:22   | Noticed an ancient lich
153139 | Zig:22   | Noticed an ancient lich
153139 | Zig:22   | Noticed an ancient lich
153142 | Zig:22   | Noticed an ancient lich
153142 | Zig:22   | Noticed an ancient lich
153142 | Zig:22   | Killed an ancient lich
153142 | Zig:22   | Killed an ancient lich
153143 | Zig:22   | Noticed an ancient lich
153144 | Zig:22   | Noticed an ancient lich
153144 | Zig:22   | Killed an ancient lich
153144 | Zig:22   | Killed an ancient lich
153144 | Zig:22   | Killed an ancient lich
153145 | Zig:22   | Noticed an ancient lich
153145 | Zig:22   | Killed an ancient lich
153146 | Zig:22   | Killed an ancient lich
153146 | Zig:22   | Killed an ancient lich
153146 | Zig:22   | Noticed an ancient lich
153148 | Zig:22   | Killed an ancient lich
153440 | Zig:22   | Identified the +3 long sword of the Distant Future {drain,
                  | rPois}
153443 | Zig:22   | Identified the amulet "Weckucs" {rC++ Will- Regen+ rCorr
                  | SInv}
153479 | Zig:22   | Identified the +6 shortbow of the Revolution {flame, Will+}
153495 | Zig:22   | Identified the +1 leather armour "Avuborax" {Str+4}
153502 | Zig:22   | Identified the +3 dagger of Okawaru's Generosity
                  | {antimagic, rC- Str+6}
153514 | Zig:22   | Identified the +0 short sword "Tattletale" {venom, Will+
                  | Dex+4}
153543 | Zig:22   | Identified the +4 war axe of Makhleb's Approval {protect,
                  | rC+ Will+ rCorr Dex-5}
153547 | Zig:22   | Identified the staff "Kafry" {rElec rF+ Will+ Necro Air}
153551 | Zig:22   | Identified the ring of Symmetry {rF+ Will+ Str+8 Int-4
                  | Dex-3}
153558 | Zig:22   | Identified the storm talisman "Kyzarph" {+Blink rF- Int+5}
153559 | Zig:22   | Identified the +10 mace "Mihu" {antimagic, rC+ rCorr}
153588 | Zig:23   | Entered Level 23 of a ziggurat
153617 | Zig:23   | Noticed an ancient lich
153625 | Zig:23   | Killed an ancient lich
153827 | Zig:23   | Identified the +5 long sword of Narrow Action {flame, Str+4
                  | Int+6 Dex-3}
153845 | Zig:23   | Identified the staff of Impermanence {rF+ SInv Tloc Fire
                  | Ice}
153850 | Zig:23   | Identified the +8 mace "Fucw" {freeze, rPois Will- MP+9
                  | Dex+3}
153852 | Zig:23   | Identified the +10 short sword "Sismott" {flame, *Noise
                  | rCorr Dex+5}
153853 | Zig:23   | Identified the ring of Xief {rPois rC+ rN+ Int+3 Dex+6}
153861 | Zig:23   | Identified the ring "Bibryu Ipio" {rN+ Int+6}
153882 | Zig:23   | Identified the amulet "Zuapt" {RegenMP rN+ rCorr}
153886 | Zig:23   | Identified the ring of Okeazuk {rC+ Int+3 Dex+2 SInv
                  | Stlth+}
153896 | Zig:23   | Identified the ring "Susmaric" {rC- rN+++ Dex+6 Slay-4
                  | SInv}
154178 | Zig:23   | Identified the +7 eudemon blade of Zoxiapt {holy, ^Fragile
                  | rPois Int+2 Dex+2}
154184 | Zig:24   | Entered Level 24 of a ziggurat
154217 | Zig:24   | Found the +7 Throatcutter {drain, coup de grace}
154256 | Zig:24   | Identified the ring "Ninliecu" {rElec rCorr Stlth+}
154580 | Zig:24   | Identified the +2 pair of boots of the Elephant {^Drain
                  | Int+4 Dex+3}
154644 | Zig:24   | Identified the +5 orcbow of Dithmenos, Malding {elec, rElec
                  | Str+5 Dex+5}
154647 | Zig:24   | Identified the +2 whip of the Desolation of Salt {heavy,
                  | rF+ rC+ Dex+2 SInv}
154654 | Zig:24   | Identified the +7 war axe of Generosity {holy, rElec rCorr
                  | SInv}
154656 | Zig:24   | Identified the amulet "Cavvake" {Regen+ Dex+2 Stlth+}
154715 | Zig:25   | Entered Level 25 of a ziggurat
154800 | Zig:25   | Identified the +4 hand axe of Lies {drain, rPois}
154802 | Zig:25   | Identified the +7 great sword "Turoged" {speed, MP+9}
154821 | Zig:25   | Identified the +8 war axe "Goblinbane" {venom, Str+2 Dex+3}
154834 | Zig:25   | Identified the +0 leather armour of Terror {Int+3 Dex+2}
154835 | Zig:25   | Identified the +5 scale mail "Hoizaaw" {Dex+4}
154841 | Zig:25   | Identified the +0 mace of the Desert {venom, rElec MP+9}
154850 | Zig:25   | Identified the +1 hand axe "Sexzoany" {freeze, rC- Dex+5}
154871 | Zig:25   | Identified the +1 leather armour of the Lily {Dex+3}
154872 | Zig:25   | Identified the +0 plate armour "Muycamo" {Int+4}
155348 | Zig:26   | Entered Level 26 of a ziggurat
155350 | Zig:26   | Noticed a dread lich
155350 | Zig:26   | Noticed an ancient lich
155351 | Zig:26   | Noticed an ancient lich
155351 | Zig:26   | Noticed an ancient lich
155351 | Zig:26   | Killed a dread lich
155351 | Zig:26   | Killed an ancient lich
155352 | Zig:26   | Noticed a dread lich
155352 | Zig:26   | Noticed an ancient lich
155353 | Zig:26   | Killed an ancient lich
155353 | Zig:26   | Killed an ancient lich
155353 | Zig:26   | Killed an ancient lich
155354 | Zig:26   | Noticed a dread lich
155354 | Zig:26   | Noticed an ancient lich
155354 | Zig:26   | Noticed a dread lich
155354 | Zig:26   | Noticed a dread lich
155355 | Zig:26   | Killed an ancient lich
155355 | Zig:26   | Killed a dread lich
155355 | Zig:26   | Killed a dread lich
155355 | Zig:26   | Noticed a dread lich
155355 | Zig:26   | Noticed an ancient lich
155356 | Zig:26   | Noticed an ancient lich
155356 | Zig:26   | Noticed a dread lich
155356 | Zig:26   | Noticed an ancient lich
155356 | Zig:26   | Noticed a dread lich
155357 | Zig:26   | Noticed an ancient lich
155357 | Zig:26   | Killed a dread lich
155357 | Zig:26   | Killed an ancient lich
155357 | Zig:26   | Killed a dread lich
155357 | Zig:26   | Killed a dread lich
155357 | Zig:26   | Killed a dread lich
155358 | Zig:26   | Noticed a dread lich
155358 | Zig:26   | Noticed a dread lich
155359 | Zig:26   | Killed an ancient lich
155359 | Zig:26   | Killed an ancient lich
155359 | Zig:26   | Killed a dread lich
155360 | Zig:26   | Noticed a dread lich
155360 | Zig:26   | Noticed a dread lich
155360 | Zig:26   | Noticed an ancient lich
155360 | Zig:26   | Killed a dread lich
155360 | Zig:26   | Noticed an ancient lich
155361 | Zig:26   | Noticed an ancient lich
155361 | Zig:26   | Noticed an ancient lich
155361 | Zig:26   | Killed a dread lich
155361 | Zig:26   | Killed an ancient lich
155361 | Zig:26   | Killed an ancient lich
155362 | Zig:26   | Killed an ancient lich
155362 | Zig:26   | Killed a dread lich
155362 | Zig:26   | Killed an ancient lich
155362 | Zig:26   | Killed a dread lich
155362 | Zig:26   | Killed an ancient lich
155362 | Zig:26   | Noticed an ancient lich
155362 | Zig:26   | Noticed a dread lich
155363 | Zig:26   | Noticed a dread lich
155363 | Zig:26   | Noticed an ancient lich
155363 | Zig:26   | Noticed a dread lich
155363 | Zig:26   | Noticed a dread lich
155364 | Zig:26   | Killed a dread lich
155364 | Zig:26   | Killed an ancient lich
155365 | Zig:26   | Killed a dread lich
155365 | Zig:26   | Killed a dread lich
155365 | Zig:26   | Noticed an ancient lich
155365 | Zig:26   | Noticed an ancient lich
155366 | Zig:26   | Noticed an ancient lich
155366 | Zig:26   | Noticed a dread lich
155366 | Zig:26   | Noticed an ancient lich
155367 | Zig:26   | Killed a dread lich
155367 | Zig:26   | Killed an ancient lich
155367 | Zig:26   | Killed a dread lich
155368 | Zig:26   | Killed an ancient lich
155368 | Zig:26   | Killed an ancient lich
155368 | Zig:26   | Killed an ancient lich
155368 | Zig:26   | Killed an ancient lich
155368 | Zig:26   | Noticed a dread lich
155369 | Zig:26   | Noticed an ancient lich
155369 | Zig:26   | Noticed an ancient lich
155370 | Zig:26   | Killed an ancient lich
155371 | Zig:26   | Noticed a dread lich
155372 | Zig:26   | Noticed a dread lich
155373 | Zig:26   | Noticed an ancient lich
155373 | Zig:26   | Killed a dread lich
155373 | Zig:26   | Killed an ancient lich
155373 | Zig:26   | Killed an ancient lich
155374 | Zig:26   | Killed a dread lich
155374 | Zig:26   | Noticed an ancient lich
155374 | Zig:26   | Noticed a dread lich
155375 | Zig:26   | Noticed an ancient lich
155375 | Zig:26   | Noticed a dread lich
155375 | Zig:26   | Noticed a dread lich
155376 | Zig:26   | Noticed an ancient lich
155376 | Zig:26   | Killed a dread lich
155376 | Zig:26   | Killed a dread lich
155376 | Zig:26   | Killed an ancient lich
155376 | Zig:26   | Killed a dread lich
155376 | Zig:26   | Killed an ancient lich
155378 | Zig:26   | Noticed an ancient lich
155378 | Zig:26   | Noticed a dread lich
155378 | Zig:26   | Noticed an ancient lich
155379 | Zig:26   | Killed an ancient lich
155379 | Zig:26   | Killed an ancient lich
155379 | Zig:26   | Killed an ancient lich
155380 | Zig:26   | Noticed a dread lich
155380 | Zig:26   | Noticed a dread lich
155382 | Zig:26   | Killed a dread lich
155382 | Zig:26   | Killed a dread lich
155382 | Zig:26   | Killed a dread lich
155382 | Zig:26   | Killed a dread lich
155736 | Zig:26   | Identified the amulet "Guuleu" {Spirit +Blink rPois Int+6
                  | Slay-4}
155749 | Zig:26   | Identified the +0 crystal plate armour of Eternity {rPois}
155757 | Zig:26   | Identified the +3 war axe of Understanding {drain, rC+}
155774 | Zig:26   | Identified the staff "Pischiel" {rF+ Dex+5 Fire}
155790 | Zig:26   | Identified the +0 chain mail of Cyng {Int+3}
155791 | Zig:26   | Identified the staff of Puanneic {rC+ Str+4 Ice}
155792 | Zig:26   | Identified the +9 quarterstaff of Disgust {speed, rPois
                  | Int+3 Dex+3}
155844 | Zig:27   | Entered Level 27 of a ziggurat
155847 | Zig:27   | Noticed a dread lich
155847 | Zig:27   | Killed a dread lich
155847 | Zig:27   | Noticed an ancient lich
155849 | Zig:27   | Killed an ancient lich
155849 | Zig:27   | Noticed an ancient lich
155849 | Zig:27   | Noticed an ancient lich
155850 | Zig:27   | Noticed an ancient lich
155850 | Zig:27   | Noticed a dread lich
155850 | Zig:27   | Noticed an ancient lich
155850 | Zig:27   | Noticed an ancient lich
155851 | Zig:27   | Killed an ancient lich
155851 | Zig:27   | Killed an ancient lich
155852 | Zig:27   | Killed an ancient lich
155852 | Zig:27   | Killed a dread lich
155852 | Zig:27   | Killed an ancient lich
155852 | Zig:27   | Killed an ancient lich
155852 | Zig:27   | Noticed an ancient lich
155853 | Zig:27   | Noticed a dread lich
155853 | Zig:27   | Noticed a dread lich
155853 | Zig:27   | Noticed an ancient lich
155854 | Zig:27   | Killed an ancient lich
155854 | Zig:27   | Killed a dread lich
155855 | Zig:27   | Killed an ancient lich
155855 | Zig:27   | Killed a dread lich
155855 | Zig:27   | Noticed an ancient lich
155856 | Zig:27   | Noticed a dread lich
155856 | Zig:27   | Noticed an ancient lich
155856 | Zig:27   | Noticed a dread lich
155857 | Zig:27   | Killed a dread lich
155858 | Zig:27   | Killed an ancient lich
155858 | Zig:27   | Killed an ancient lich
155858 | Zig:27   | Noticed a dread lich
155858 | Zig:27   | Noticed a dread lich
155858 | Zig:27   | Killed a dread lich
155860 | Zig:27   | Noticed an ancient lich
155860 | Zig:27   | Noticed an ancient lich
155861 | Zig:27   | Killed a dread lich
155861 | Zig:27   | Killed an ancient lich
155861 | Zig:27   | Killed an ancient lich
155861 | Zig:27   | Noticed a dread lich
155861 | Zig:27   | Noticed an ancient lich
155861 | Zig:27   | Noticed a dread lich
155863 | Zig:27   | Killed a dread lich
155864 | Zig:27   | Killed a dread lich
155864 | Zig:27   | Noticed a dread lich
155865 | Zig:27   | Noticed an ancient lich
155865 | Zig:27   | Noticed an ancient lich
155865 | Zig:27   | Noticed a dread lich
155865 | Zig:27   | Noticed an ancient lich
155865 | Zig:27   | Noticed an ancient lich
155865 | Zig:27   | Noticed an ancient lich
155866 | Zig:27   | Noticed a dread lich
155866 | Zig:27   | Killed an ancient lich
155866 | Zig:27   | Killed a dread lich
155866 | Zig:27   | Killed a dread lich
155866 | Zig:27   | Killed an ancient lich
155866 | Zig:27   | Killed a dread lich
155867 | Zig:27   | Noticed an ancient lich
155867 | Zig:27   | Noticed an ancient lich
155867 | Zig:27   | Noticed a dread lich
155867 | Zig:27   | Killed an ancient lich
155868 | Zig:27   | Noticed an ancient lich
155868 | Zig:27   | Killed a dread lich
155868 | Zig:27   | Killed an ancient lich
155868 | Zig:27   | Killed an ancient lich
155868 | Zig:27   | Killed an ancient lich
155868 | Zig:27   | Noticed an ancient lich
155868 | Zig:27   | Noticed an ancient lich
155868 | Zig:27   | Noticed an ancient lich
155869 | Zig:27   | Noticed a dread lich
155869 | Zig:27   | Noticed an ancient lich
155869 | Zig:27   | Noticed an ancient lich
155870 | Zig:27   | Killed an ancient lich
155870 | Zig:27   | Killed a dread lich
155870 | Zig:27   | Killed an ancient lich
155870 | Zig:27   | Killed an ancient lich
155870 | Zig:27   | Killed an ancient lich
155870 | Zig:27   | Noticed an ancient lich
155870 | Zig:27   | Killed an ancient lich
155872 | Zig:27   | Killed an ancient lich
155872 | Zig:27   | Killed an ancient lich
155872 | Zig:27   | Killed a dread lich
155872 | Zig:27   | Killed an ancient lich
155872 | Zig:27   | Noticed an ancient lich
155872 | Zig:27   | Noticed an ancient lich
155873 | Zig:27   | Noticed an ancient lich
155873 | Zig:27   | Noticed an ancient lich
155873 | Zig:27   | Noticed a dread lich
155874 | Zig:27   | Killed an ancient lich
155874 | Zig:27   | Killed an ancient lich
155874 | Zig:27   | Killed an ancient lich
155874 | Zig:27   | Killed an ancient lich
155874 | Zig:27   | Noticed a dread lich
155875 | Zig:27   | Noticed an ancient lich
155875 | Zig:27   | Noticed an ancient lich
155875 | Zig:27   | Noticed an ancient lich
155875 | Zig:27   | Noticed a dread lich
155875 | Zig:27   | Killed an ancient lich
155876 | Zig:27   | Killed a dread lich
155876 | Zig:27   | Killed a dread lich
155876 | Zig:27   | Killed an ancient lich
155876 | Zig:27   | Killed an ancient lich
155877 | Zig:27   | Noticed an ancient lich
155877 | Zig:27   | Noticed a dread lich
155877 | Zig:27   | Noticed a dread lich
155877 | Zig:27   | Noticed a dread lich
155877 | Zig:27   | Killed a dread lich
155878 | Zig:27   | Noticed an ancient lich
155878 | Zig:27   | Killed an ancient lich
155878 | Zig:27   | Killed a dread lich
155878 | Zig:27   | Killed a dread lich
155880 | Zig:27   | Killed an ancient lich
155880 | Zig:27   | Killed a dread lich
155880 | Zig:27   | Killed an ancient lich
155952 | Zig:27   | Identified the +2 pair of boots of the Wilderness {Stlth+}
155953 | Zig:27   | Identified the +11 hand axe of the Unspeakable One {freeze,
                  | Str+4}
155967 | Zig:27   | Identified the +6 hand axe of Jitumuos {heavy, rF+ rN+
                  | Str-3 Dex+3}
155968 | Zig:27   | Identified the +4 broad axe of Destiny {vamp, rPois}
155971 | Zig:27   | Identified the +3 glaive "Ficaommi" {heavy, rF- Str+3 SInv}
155973 | Zig:27   | Identified the +1 robe "Matoatowk" {Harm rF- Int+8}
155974 | Zig:27   | Identified the +0 broad axe of Destiny {spect, rElec Int+2}
155990 | Zig:27   | Identified the ring "Zyd Hucw" {rElec rC+ Will+ Str+3
                  | Int+3}
156010 | Zig:27   | Identified the staff of Fodghoire {rElec rC+ Stlth+ Fire
                  | Ice}
156016 | Zig:27   | Identified the +9 flail "Jieffuiz" {drain, Stlth+}
156020 | Zig:27   | Identified the +7 falchion of Calculation {drain, rC+
                  | Str+3}
156375 | Zig:1    | Entered Level 1 of a ziggurat
156417 | Zig:2    | Entered Level 2 of a ziggurat
156496 | Zig:3    | Entered Level 3 of a ziggurat
156496 | Zig:3    | Noticed an ancient lich
156498 | Zig:3    | Noticed an ancient lich
156498 | Zig:3    | Noticed a dread lich
156499 | Zig:3    | Killed an ancient lich
156499 | Zig:3    | Killed a dread lich
156500 | Zig:3    | Killed an ancient lich
156551 | Zig:3    | Identified the ring "Dorralaq" {rF+ Str+6 Int+3 Dex-4}
156553 | Zig:3    | Identified the +4 sling "Uviez" {drain, Str+3}
156587 | Zig:4    | Entered Level 4 of a ziggurat
156678 | Zig:4    | Identified the staff of Baoschawn {Dex+4 Earth}
156688 | Zig:5    | Entered Level 5 of a ziggurat
156753 | Zig:5    | Identified the ring "Fiug" {rN++ AC+4 Str-2}
156845 | Zig:6    | Entered Level 6 of a ziggurat
157052 | Zig:6    | Identified the ring of Jaez {rF- rN+ Str+2 SInv}
157062 | Zig:6    | Identified the +2 plate armour of Seqosu {rF+ Regen+ Int-4
                  | Dex+3}
157071 | Zig:6    | Identified the +7 war axe "Pizairoh" {heavy, rPois rC+}
157082 | Zig:7    | Entered Level 7 of a ziggurat
157157 | Zig:7    | Identified the +3 plate armour of Dofilach {Rampage rF-
                  | rC+}
157166 | Zig:7    | Identified the staff "Leqiof" {^Fragile rPois rC+++ Str+8
                  | Air Alchemy}
157187 | Zig:7    | Identified the ring of Appoclun {rN+ Slay+3 SInv}
157189 | Zig:7    | Identified the +7 shortbow of Dithmenos's Delight {flame,
                  | Dex+4}
157299 | Zig:8    | Entered Level 8 of a ziggurat
157299 | Zig:8    | Noticed a juggernaut
157299 | Zig:8    | Noticed a juggernaut
157299 | Zig:8    | Noticed a juggernaut
157301 | Zig:8    | Killed a juggernaut
157301 | Zig:8    | Killed a juggernaut
157301 | Zig:8    | Killed a juggernaut
157304 | Zig:8    | Noticed a juggernaut
157306 | Zig:8    | Killed a juggernaut
157309 | Zig:8    | Noticed a juggernaut
157311 | Zig:8    | Killed a juggernaut
157531 | Zig:9    | Entered Level 9 of a ziggurat
157531 | Zig:9    | Noticed Jebregae the pandemonium lord
157531 | Zig:9    | Noticed Xareadon the pandemonium lord
157531 | Zig:9    | Noticed Nauxegg the pandemonium lord
157531 | Zig:9    | Noticed Taptun the pandemonium lord
157531 | Zig:9    | Noticed Epiloo the pandemonium lord
157531 | Zig:9    | Noticed Pajetodui the pandemonium lord
157532 | Zig:9    | Noticed Pofeiviw the pandemonium lord
157533 | Zig:9    | Killed Pajetodui the pandemonium lord
157533 | Zig:9    | Killed Jebregae the pandemonium lord
157533 | Zig:9    | Noticed Cazxin the pandemonium lord
157533 | Zig:9    | Noticed Bocifu the pandemonium lord
157534 | Zig:9    | Killed Cazxin the pandemonium lord
157534 | Zig:9    | Noticed Volyirr the pandemonium lord
157535 | Zig:9    | Killed Nauxegg the pandemonium lord
157535 | Zig:9    | Killed Bocifu the pandemonium lord
157535 | Zig:9    | Noticed Laaxis the pandemonium lord
157536 | Zig:9    | Noticed Duhaqa the pandemonium lord
157537 | Zig:9    | Noticed Reze the pandemonium lord
157537 | Zig:9    | Noticed Henozile the pandemonium lord
157537 | Zig:9    | Noticed Ologg the pandemonium lord
157537 | Zig:9    | Noticed Tiowu the pandemonium lord
157537 | Zig:9    | Killed Epiloo the pandemonium lord
157538 | Zig:9    | Banished Laaxis the pandemonium lord
157538 | Zig:9    | Noticed Ubaq the pandemonium lord
157538 | Zig:9    | Noticed Yvve Man the pandemonium lord
157539 | Zig:9    | Killed Tiowu the pandemonium lord
157539 | Zig:9    | Killed Ologg the pandemonium lord
157540 | Zig:9    | Noticed Weavarorr the pandemonium lord
157540 | Zig:9    | Killed Pofeiviw the pandemonium lord
157540 | Zig:9    | Killed Reze the pandemonium lord
157540 | Zig:9    | Killed Xareadon the pandemonium lord
157541 | Zig:9    | Killed Taptun the pandemonium lord
157541 | Zig:9    | Killed Weavarorr the pandemonium lord
157541 | Zig:9    | Killed Volyirr the pandemonium lord
157542 | Zig:9    | Killed Duhaqa the pandemonium lord
157542 | Zig:9    | Noticed Vegieseo the pandemonium lord
157543 | Zig:9    | Killed Ubaq the pandemonium lord
157545 | Zig:9    | Killed Vegieseo the pandemonium lord
157545 | Zig:9    | Killed Yvve Man the pandemonium lord
157545 | Zig:9    | Killed Henozile the pandemonium lord
157545 | Zig:9    | Noticed Eso Loc the pandemonium lord
157546 | Zig:9    | Noticed Bolum the pandemonium lord
157547 | Zig:9    | Noticed Nobluid the pandemonium lord
157547 | Zig:9    | Killed Eso Loc the pandemonium lord
157548 | Zig:9    | Killed Nobluid the pandemonium lord
157550 | Zig:9    | Noticed Ilaghab the pandemonium lord
157550 | Zig:9    | Noticed Vev Taom the pandemonium lord
157550 | Zig:9    | Noticed Niegad the pandemonium lord
157551 | Zig:9    | Killed Vev Taom the pandemonium lord
157551 | Zig:9    | Killed Bolum the pandemonium lord
157553 | Zig:9    | Noticed Cewuwn the pandemonium lord
157553 | Zig:9    | Noticed Banly the pandemonium lord
157553 | Zig:9    | Noticed Mumeo the pandemonium lord
157553 | Zig:9    | Noticed Koceonam the pandemonium lord
157553 | Zig:9    | Killed Ilaghab the pandemonium lord
157554 | Zig:9    | Killed Niegad the pandemonium lord
157555 | Zig:9    | Killed Cewuwn the pandemonium lord
157555 | Zig:9    | Killed Mumeo the pandemonium lord
157555 | Zig:9    | Killed Koceonam the pandemonium lord
157556 | Zig:9    | Noticed Aruoc the pandemonium lord
157557 | Zig:9    | Killed Banly the pandemonium lord
157557 | Zig:9    | Killed Aruoc the pandemonium lord
157614 | Zig:9    | Identified the +0 helmet of Untruth {rPois Int+2 SInv}
157617 | Zig:9    | Identified the dragon-blood talisman of Dice, Bag, and
                  | Bottle {*Slow rElec rF+ Int+3}
157620 | Zig:9    | Identified the +0 arbalest of Fieck {drain, rCorr}
157626 | Zig:9    | Identified the +3 flail of Ejeate {holy, Str+4 Int+2}
157753 | Zig:10   | Entered Level 10 of a ziggurat
157980 | Zig:10   | Identified the +2 glaive of Beogh, Crafting {drain, rC+}
157981 | Zig:10   | Identified the ring "Kyceoxio" {rElec rC+ rN+ MP+9 Int-2}
157985 | Zig:10   | Identified the +3 quarterstaff of the Ten Xalams {spect,
                  | Str+5}
157992 | Zig:10   | Identified the +1 great sword "Huveno" {pain, Int+4 Dex+3
                  | Stlth-}
157996 | Zig:10   | Identified the +7 spear "Atovon" {antimagic, rPois Str-2
                  | Dex+2}
157998 | Zig:10   | Identified the +6 falchion "Eninaj" {heavy, *Corrode +Blink
                  | rElec rC+++}
158002 | Zig:10   | Identified the +6 spear "Biom" {drain, rN+ rCorr Dex-2}
158028 | Zig:11   | Entered Level 11 of a ziggurat
158028 | Zig:11   | Noticed a royal mummy
158028 | Zig:11   | Noticed a royal mummy
158028 | Zig:11   | Noticed a royal mummy
158029 | Zig:11   | Killed a royal mummy
158029 | Zig:11   | Killed a royal mummy
158030 | Zig:11   | Killed a royal mummy
158031 | Zig:11   | Noticed a royal mummy
158031 | Zig:11   | Noticed a royal mummy
158031 | Zig:11   | Noticed a royal mummy
158032 | Zig:11   | Noticed a royal mummy
158032 | Zig:11   | Noticed a royal mummy
158034 | Zig:11   | Killed a royal mummy
158034 | Zig:11   | Killed a royal mummy
158034 | Zig:11   | Killed a royal mummy
158034 | Zig:11   | Noticed a royal mummy
158034 | Zig:11   | Noticed a royal mummy
158034 | Zig:11   | Noticed a royal mummy
158035 | Zig:11   | Killed a royal mummy
158035 | Zig:11   | Killed a royal mummy
158036 | Zig:11   | Killed a royal mummy
158036 | Zig:11   | Killed a royal mummy
158037 | Zig:11   | Noticed a royal mummy
158038 | Zig:11   | Killed a royal mummy
158040 | Zig:11   | Killed a royal mummy
158043 | Zig:11   | Noticed a royal mummy
158044 | Zig:11   | Noticed a royal mummy
158046 | Zig:11   | Killed a royal mummy
158046 | Zig:11   | Killed a royal mummy
158052 | Zig:11   | Noticed a royal mummy
158055 | Zig:11   | Killed a royal mummy
158122 | Zig:11   | Identified the +4 dire flail of Parts Unknown {flame,
                  | ^Fragile +Blink rN+}
158124 | Zig:11   | Identified the +0 pair of gloves of Kevuor {Harm Will-
                  | rCorr Str+3}
158128 | Zig:11   | Identified the ring of Ereommet {rF+ Slay+3}
158138 | Zig:11   | Identified the ring "Kufotydgh" {Will+ Str+6}
158141 | Zig:11   | Identified the +1 leather armour of the Snake Pit {Dex+3
                  | Stlth+}
158306 | Zig:12   | Entered Level 12 of a ziggurat
158306 | Zig:12   | Noticed a dread lich
158306 | Zig:12   | Noticed a dread lich
158306 | Zig:12   | Noticed an ancient lich
158306 | Zig:12   | Noticed a dread lich
158306 | Zig:12   | Noticed an ancient lich
158307 | Zig:12   | Killed an ancient lich
158307 | Zig:12   | Noticed a dread lich
158307 | Zig:12   | Killed a dread lich
158307 | Zig:12   | Killed a dread lich
158308 | Zig:12   | Killed an ancient lich
158308 | Zig:12   | Killed a dread lich
158308 | Zig:12   | Killed a dread lich
158308 | Zig:12   | Noticed a dread lich
158308 | Zig:12   | Noticed an ancient lich
158308 | Zig:12   | Noticed a dread lich
158309 | Zig:12   | Noticed a dread lich
158309 | Zig:12   | Noticed an ancient lich
158310 | Zig:12   | Killed a dread lich
158310 | Zig:12   | Killed a dread lich
158311 | Zig:12   | Killed an ancient lich
158311 | Zig:12   | Killed a dread lich
158311 | Zig:12   | Killed an ancient lich
158311 | Zig:12   | Noticed a dread lich
158312 | Zig:12   | Noticed a dread lich
158312 | Zig:12   | Noticed a dread lich
158312 | Zig:12   | Noticed a dread lich
158313 | Zig:12   | Killed a dread lich
158314 | Zig:12   | Killed a dread lich
158314 | Zig:12   | Killed a dread lich
158314 | Zig:12   | Killed a dread lich
158314 | Zig:12   | Noticed a dread lich
158315 | Zig:12   | Noticed an ancient lich
158316 | Zig:12   | Noticed an ancient lich
158316 | Zig:12   | Noticed an ancient lich
158316 | Zig:12   | Killed an ancient lich
158316 | Zig:12   | Killed an ancient lich
158317 | Zig:12   | Killed a dread lich
158317 | Zig:12   | Noticed a dread lich
158318 | Zig:12   | Noticed a dread lich
158318 | Zig:12   | Noticed an ancient lich
158319 | Zig:12   | Killed an ancient lich
158319 | Zig:12   | Killed an ancient lich
158320 | Zig:12   | Killed a dread lich
158320 | Zig:12   | Killed a dread lich
158320 | Zig:12   | Noticed a dread lich
158321 | Zig:12   | Noticed a dread lich
158322 | Zig:12   | Killed a dread lich
158323 | Zig:12   | Killed a dread lich
158324 | Zig:12   | Noticed a dread lich
158329 | Zig:12   | Killed a dread lich
158336 | Zig:12   | Found the +10 Black Knight's barding {ponderous, rPois rN+}
158532 | Zig:12   | Identified the staff of Vanity {*Corrode rF+ Will+ Str-2
                  | Int+8 Fire}
158542 | Zig:12   | Identified the +4 great sword "Usmar" {flame, rElec rC+}
158580 | Zig:13   | Entered Level 13 of a ziggurat
158591 | Zig:13   | Paralysed by accursed screaming for 2 turns
158649 | Zig:13   | Killed a starcursed mass
158649 | Zig:13   | Killed a starcursed mass
158677 | Zig:13   | Identified the amulet of Finality {Harm Regen+}
158681 | Zig:13   | Identified the +2 robe "Tikola" {rC+ SInv}
158686 | Zig:13   | Identified the amulet "Gibeny" {Faith rC+ Regen+}
158714 | Zig:13   | Identified the +12 dire flail "Oha Caarinots" {drain,
                  | Dex+4}
158716 | Zig:13   | Identified the +2 shortbow of the Filigreed God {heavy,
                  | Str+2}
158734 | Zig:13   | Identified the staff "Nofeplav" {Fly rC+ Int-5 Stlth+ Ice}
158757 | Zig:13   | Identified the +0 spear of the Forsaken Knives {venom,
                  | Int+2}
158923 | Zig:14   | Entered Level 14 of a ziggurat
158943 | Zig:14   | Noticed Duocom the pandemonium lord
158946 | Zig:14   | Killed Duocom the pandemonium lord
159297 | Zig:14   | Identified the staff of Floods {rPois Dex+2 Stlth+ Alchemy}
159321 | Zig:15   | Entered Level 15 of a ziggurat
159365 | Zig:15   | Found the +7 Kryia's mail coat {PotionHeal*2 rC+}
159456 | Zig:15   | Identified the +0 leather armour "Isipe" {*Corrode rPois
                  | Regen+}
159467 | Zig:15   | Identified the +7 short sword "Qonypim" {vamp, Str+4 SInv}
159468 | Zig:15   | Identified the +4 scale mail of Hospitality {Rampage +Blink
                  | +Inv Stlth-}
159469 | Zig:15   | Identified the +3 kite shield "Xuuf Ojie" {rElec rN+}
159483 | Zig:15   | Identified the ring of Witsur {Will+ EV+5 Str+3 Stlth+}
159489 | Zig:15   | Identified the staff of Wealth {rC+ rN+ Will+ Stlth- Ice
                  | Earth}
159781 | Zig:16   | Entered Level 16 of a ziggurat
159781 | Zig:16   | Noticed an ancient lich
159781 | Zig:16   | Noticed an ancient lich
159781 | Zig:16   | Noticed a dread lich
159781 | Zig:16   | Noticed an ancient lich
159781 | Zig:16   | Noticed a dread lich
159781 | Zig:16   | Noticed an ancient lich
159781 | Zig:16   | Noticed a dread lich
159781 | Zig:16   | Noticed an ancient lich
159781 | Zig:16   | Noticed an ancient lich
159781 | Zig:16   | Noticed a dread lich
159782 | Zig:16   | Killed an ancient lich
159782 | Zig:16   | Killed a dread lich
159782 | Zig:16   | Killed an ancient lich
159782 | Zig:16   | Killed a dread lich
159782 | Zig:16   | Killed an ancient lich
159782 | Zig:16   | Killed a dread lich
159783 | Zig:16   | Killed an ancient lich
159783 | Zig:16   | Killed a dread lich
159783 | Zig:16   | Killed an ancient lich
159783 | Zig:16   | Killed an ancient lich
159783 | Zig:16   | Noticed an ancient lich
159784 | Zig:16   | Noticed an ancient lich
159784 | Zig:16   | Noticed an ancient lich
159784 | Zig:16   | Noticed an ancient lich
159784 | Zig:16   | Noticed a dread lich
159785 | Zig:16   | Killed an ancient lich
159786 | Zig:16   | Noticed an ancient lich
159786 | Zig:16   | Noticed an ancient lich
159787 | Zig:16   | Noticed a dread lich
159787 | Zig:16   | Killed an ancient lich
159787 | Zig:16   | Killed an ancient lich
159787 | Zig:16   | Killed a dread lich
159787 | Zig:16   | Killed an ancient lich
159787 | Zig:16   | Noticed a dread lich
159787 | Zig:16   | Noticed an ancient lich
159788 | Zig:16   | Noticed an ancient lich
159789 | Zig:16   | Killed an ancient lich
159789 | Zig:16   | Killed an ancient lich
159789 | Zig:16   | Killed an ancient lich
159789 | Zig:16   | Killed a dread lich
159789 | Zig:16   | Killed an ancient lich
159789 | Zig:16   | Noticed a dread lich
159790 | Zig:16   | Killed a dread lich
159791 | Zig:16   | Killed a dread lich
159791 | Zig:16   | Noticed an ancient lich
159791 | Zig:16   | Noticed a dread lich
159792 | Zig:16   | Noticed a dread lich
159792 | Zig:16   | Noticed a dread lich
159792 | Zig:16   | Noticed a dread lich
159792 | Zig:16   | Noticed an ancient lich
159793 | Zig:16   | Killed a dread lich
159793 | Zig:16   | Killed an ancient lich
159793 | Zig:16   | Killed a dread lich
159794 | Zig:16   | Noticed a dread lich
159795 | Zig:16   | Killed an ancient lich
159795 | Zig:16   | Killed a dread lich
159795 | Zig:16   | Killed a dread lich
159796 | Zig:16   | Noticed an ancient lich
159796 | Zig:16   | Noticed a dread lich
159798 | Zig:16   | Killed a dread lich
159798 | Zig:16   | Killed a dread lich
159798 | Zig:16   | Killed an ancient lich
159798 | Zig:16   | Noticed a dread lich
159799 | Zig:16   | Noticed a dread lich
159799 | Zig:16   | Noticed an ancient lich
159800 | Zig:16   | Killed a dread lich
159801 | Zig:16   | Noticed a dread lich
159802 | Zig:16   | Killed a dread lich
159802 | Zig:16   | Killed an ancient lich
159803 | Zig:16   | Killed a dread lich
159804 | Zig:16   | Noticed a dread lich
159808 | Zig:16   | Killed a dread lich
160069 | Zig:16   | Identified the staff "Lenwes" {rElec rN+++ Str-3 Stlth+ Air
                  | Alchemy}
160076 | Zig:16   | Identified the staff of Destruction {Will++ Earth}
160091 | Zig:16   | Identified the ring "Duuwil" {rElec Int+6 Dex+3}
160093 | Zig:16   | Identified the ring "Ihoticu" {Wiz rF- Dex+4 SInv}
160112 | Zig:17   | Entered Level 17 of a ziggurat
160112 | Zig:17   | Noticed Gelint the pandemonium lord
160112 | Zig:17   | Noticed Raolel the pandemonium lord
160112 | Zig:17   | Noticed Piesmef the pandemonium lord
160112 | Zig:17   | Noticed Kuibec the pandemonium lord
160112 | Zig:17   | Noticed Jeeb the pandemonium lord
160112 | Zig:17   | Noticed Ibaopp the pandemonium lord
160112 | Zig:17   | Noticed Rimnaer the pandemonium lord
160113 | Zig:17   | Noticed Ureoxze the pandemonium lord
160113 | Zig:17   | Noticed Ybuff the pandemonium lord
160114 | Zig:17   | Killed Piesmef the pandemonium lord
160114 | Zig:17   | Killed Rimnaer the pandemonium lord
160114 | Zig:17   | Killed Kuibec the pandemonium lord
160114 | Zig:17   | Killed Gelint the pandemonium lord
160114 | Zig:17   | Killed Raolel the pandemonium lord
160114 | Zig:17   | Noticed Raibirr the pandemonium lord
160114 | Zig:17   | Noticed Detec the pandemonium lord
160115 | Zig:17   | Killed Ureoxze the pandemonium lord
160115 | Zig:17   | Noticed Quyllafe the pandemonium lord
160116 | Zig:17   | Killed Detec the pandemonium lord
160116 | Zig:17   | Killed Quyllafe the pandemonium lord
160116 | Zig:17   | Noticed Ceutyng the pandemonium lord
160117 | Zig:17   | Killed Raibirr the pandemonium lord
160117 | Zig:17   | Noticed Tolaenwe the pandemonium lord
160118 | Zig:17   | Noticed Saithaekk the pandemonium lord
160118 | Zig:17   | Noticed Xoelleess the pandemonium lord
160119 | Zig:17   | Noticed Reodedamn the pandemonium lord
160119 | Zig:17   | Noticed Jiryti the pandemonium lord
160119 | Zig:17   | Noticed Zumawil the pandemonium lord
160119 | Zig:17   | Noticed Boikh the pandemonium lord
160120 | Zig:17   | Killed Jeeb the pandemonium lord
160120 | Zig:17   | Killed Ybuff the pandemonium lord
160121 | Zig:17   | Killed Ceutyng the pandemonium lord
160121 | Zig:17   | Killed Tolaenwe the pandemonium lord
160121 | Zig:17   | Killed Xoelleess the pandemonium lord
160121 | Zig:17   | Noticed Juolel the pandemonium lord
160121 | Zig:17   | Noticed Pebojymn the pandemonium lord
160122 | Zig:17   | Killed Saithaekk the pandemonium lord
160122 | Zig:17   | Killed Zumawil the pandemonium lord
160122 | Zig:17   | Killed Ibaopp the pandemonium lord
160122 | Zig:17   | Noticed Higauhoq the pandemonium lord
160123 | Zig:17   | Killed Reodedamn the pandemonium lord
160123 | Zig:17   | Noticed Yxyiviph the pandemonium lord
160123 | Zig:17   | Noticed Geuttong the pandemonium lord
160124 | Zig:17   | Noticed Mizufij the pandemonium lord
160124 | Zig:17   | Noticed Waomum the pandemonium lord
160124 | Zig:17   | Noticed Ceroxe the pandemonium lord
160124 | Zig:17   | Noticed Bijaips the pandemonium lord
160125 | Zig:17   | Killed Higauhoq the pandemonium lord
160126 | Zig:17   | Noticed Tetso the pandemonium lord
160126 | Zig:17   | Killed Juolel the pandemonium lord
160126 | Zig:17   | Noticed Wesompiv the pandemonium lord
160126 | Zig:17   | Noticed Ciboehou the pandemonium lord
160126 | Zig:17   | Killed Boikh the pandemonium lord
160127 | Zig:17   | Killed Yxyiviph the pandemonium lord
160127 | Zig:17   | Killed Jiryti the pandemonium lord
160127 | Zig:17   | Killed Pebojymn the pandemonium lord
160127 | Zig:17   | Killed Ceroxe the pandemonium lord
160128 | Zig:17   | Killed Mizufij the pandemonium lord
160128 | Zig:17   | Killed Bijaips the pandemonium lord
160128 | Zig:17   | Killed Geuttong the pandemonium lord
160129 | Zig:17   | Noticed Hunip the pandemonium lord
160129 | Zig:17   | Noticed Vima the pandemonium lord
160130 | Zig:17   | Killed Tetso the pandemonium lord
160130 | Zig:17   | Killed Ciboehou the pandemonium lord
160130 | Zig:17   | Noticed Cyfiamm the pandemonium lord
160131 | Zig:17   | Killed Waomum the pandemonium lord
160131 | Zig:17   | Noticed Xetwyoxt the pandemonium lord
160133 | Zig:17   | Killed Hunip the pandemonium lord
160133 | Zig:17   | Noticed Vaivut the pandemonium lord
160133 | Zig:17   | Noticed Naapn the pandemonium lord
160134 | Zig:17   | Killed Vima the pandemonium lord
160134 | Zig:17   | Killed Wesompiv the pandemonium lord
160135 | Zig:17   | Killed Cyfiamm the pandemonium lord
160135 | Zig:17   | Noticed Arojyxt the pandemonium lord
160135 | Zig:17   | Noticed Xuhorucle the pandemonium lord
160136 | Zig:17   | Killed Arojyxt the pandemonium lord
160136 | Zig:17   | Killed Xetwyoxt the pandemonium lord
160136 | Zig:17   | Noticed Levalykh the pandemonium lord
160137 | Zig:17   | Killed Naapn the pandemonium lord
160140 | Zig:17   | Noticed Ebrul the pandemonium lord
160140 | Zig:17   | Noticed Inodizaem the pandemonium lord
160140 | Zig:17   | Noticed Qoargh the pandemonium lord
160140 | Zig:17   | Noticed Vuoblil the pandemonium lord
160140 | Zig:17   | Noticed Cemu the pandemonium lord
160141 | Zig:17   | Killed Xuhorucle the pandemonium lord
160142 | Zig:17   | Killed Vaivut the pandemonium lord
160143 | Zig:17   | Killed Levalykh the pandemonium lord
160143 | Zig:17   | Killed Qoargh the pandemonium lord
160143 | Zig:17   | Noticed Iteunym the pandemonium lord
160144 | Zig:17   | Killed Vuoblil the pandemonium lord
160144 | Zig:17   | Killed Cemu the pandemonium lord
160144 | Zig:17   | Killed Ebrul the pandemonium lord
160144 | Zig:17   | Killed Inodizaem the pandemonium lord
160144 | Zig:17   | Noticed Enkagg the pandemonium lord
160144 | Zig:17   | Noticed Ykistoor the pandemonium lord
160144 | Zig:17   | Noticed Jatit the pandemonium lord
160145 | Zig:17   | Noticed Iculydiv the pandemonium lord
160146 | Zig:17   | Noticed Duyf the pandemonium lord
160146 | Zig:17   | Noticed Goazuc the pandemonium lord
160146 | Zig:17   | Noticed Yxeug the pandemonium lord
160147 | Zig:17   | Killed Iteunym the pandemonium lord
160148 | Zig:17   | Killed Enkagg the pandemonium lord
160148 | Zig:17   | Killed Jatit the pandemonium lord
160148 | Zig:17   | Killed Iculydiv the pandemonium lord
160149 | Zig:17   | Killed Duyf the pandemonium lord
160149 | Zig:17   | Killed Ykistoor the pandemonium lord
160149 | Zig:17   | Killed Goazuc the pandemonium lord
160149 | Zig:17   | Killed Yxeug the pandemonium lord
160149 | Zig:17   | Noticed Keukh the pandemonium lord
160149 | Zig:17   | Noticed Xeumaus the pandemonium lord
160150 | Zig:17   | Noticed Onkel the pandemonium lord
160151 | Zig:17   | Killed Xeumaus the pandemonium lord
160152 | Zig:17   | Noticed Bufoo the pandemonium lord
160153 | Zig:17   | Killed Keukh the pandemonium lord
160153 | Zig:17   | Killed Onkel the pandemonium lord
160153 | Zig:17   | Noticed Nevvirej the pandemonium lord
160155 | Zig:17   | Noticed Rehysch the pandemonium lord
160156 | Zig:17   | Killed Bufoo the pandemonium lord
160156 | Zig:17   | Noticed Sanirir the pandemonium lord
160157 | Zig:17   | Killed Nevvirej the pandemonium lord
160157 | Zig:17   | Killed Rehysch the pandemonium lord
160157 | Zig:17   | Noticed Migge the pandemonium lord
160159 | Zig:17   | Killed Sanirir the pandemonium lord
160161 | Zig:17   | Killed Migge the pandemonium lord
160162 | Zig:17   | Noticed Fitoawu the pandemonium lord
160166 | Zig:17   | Killed Fitoawu the pandemonium lord
160175 | Zig:17   | Found the +3 salamander hide armour {Flames, rFlCloud rF++
                  | rC--}
160418 | Zig:17   | Identified the +5 battleaxe "Kainag" {flame, rPois}
160433 | Zig:17   | Identified the amulet "Xefeuh" {RegenMP +Inv rCorr Int-3
                  | Slay+4}
160438 | Zig:17   | Identified the +6 leather armour of the Mertaur {Regen+}
160441 | Zig:17   | Identified the +4 falchion of Saipy {drain, rN+ Int+3}
160446 | Zig:17   | Identified the staff "Axaumial" {rN+ Int+3 Necro}
160461 | Zig:18   | Entered Level 18 of a ziggurat
160461 | Zig:18   | Noticed an ancient lich
160485 | Zig:18   | Killed an ancient lich
160511 | Zig:18   | Noticed an ancient lich
160541 | Zig:18   | Killed an ancient lich
160573 | Zig:18   | Identified the +7 broad axe of Yneboemm {protect, rC+}
160805 | Zig:18   | Identified the ring "Iguen Lanee" {rC+ Str+6 Int+3}
160848 | Zig:18   | Identified the ring "Zugiudio" {*Slow rElec rF+ Dex+4}
160860 | Zig:18   | Identified the staff of Zyrchoes {rN+ Str+5 Necro Air}
160862 | Zig:18   | Identified the amulet "Esuecki" {Reflect rF++ SH+5 Stlth+}
160877 | Zig:18   | Identified the +5 flail of Okawaru, Dancing {speed, rF++}
160892 | Zig:19   | Entered Level 19 of a ziggurat
160977 | Zig:19   | Identified the amulet "Raelituk" {Faith Str+5}
160993 | Zig:19   | Identified the ring "Lanelif" {rPois MP+9 Str+3 Dex+2}
161009 | Zig:19   | Identified the ring "Tipnow Alyb" {rPois rCorr Stlth+}
161011 | Zig:19   | Identified the +2 robe of Polish {rC+}
161374 | Zig:20   | Entered Level 20 of a ziggurat
161403 | Zig:20   | Noticed Orusog the pandemonium lord
161406 | Zig:20   | Killed Orusog the pandemonium lord
161822 | Zig:20   | Identified the +3 morningstar of Context {heavy, Str+3
                  | Int-2 Stlth+}
161825 | Zig:20   | Identified the +1 broad axe "Wucziakh" {elec, rC++ Dex-4
                  | SInv}
161842 | Zig:20   | Identified the +0 scale mail of the Viny God {+Blink rPois
                  | rF+}
161862 | Zig:20   | Identified the ring "Megas" {Wiz Dex+6}
161868 | Zig:21   | Entered Level 21 of a ziggurat
161955 | Zig:21   | Identified the +2 flail "Kisi Hax" {spect, Str+4 Int+3}
161977 | Zig:21   | Identified the ring "Buutyiri" {rN+ Dex+2}
161987 | Zig:21   | Identified the +8 spear "Gafiyrph" {heavy, rF+ SInv}
162518 | Zig:22   | Entered Level 22 of a ziggurat
162518 | Zig:22   | Noticed a dread lich
162518 | Zig:22   | Noticed an ancient lich
162518 | Zig:22   | Noticed a dread lich
162518 | Zig:22   | Noticed a dread lich
162519 | Zig:22   | Noticed a dread lich
162519 | Zig:22   | Noticed a dread lich
162519 | Zig:22   | Noticed a dread lich
162519 | Zig:22   | Noticed a dread lich
162520 | Zig:22   | Killed a dread lich
162520 | Zig:22   | Killed an ancient lich
162520 | Zig:22   | Killed a dread lich
162520 | Zig:22   | Killed a dread lich
162520 | Zig:22   | Noticed an ancient lich
162520 | Zig:22   | Noticed an ancient lich
162521 | Zig:22   | Noticed a dread lich
162522 | Zig:22   | Noticed a dread lich
162522 | Zig:22   | Noticed an ancient lich
162522 | Zig:22   | Killed a dread lich
162522 | Zig:22   | Killed an ancient lich
162522 | Zig:22   | Killed a dread lich
162522 | Zig:22   | Killed a dread lich
162522 | Zig:22   | Killed a dread lich
162522 | Zig:22   | Killed a dread lich
162523 | Zig:22   | Killed a dread lich
162523 | Zig:22   | Killed an ancient lich
162523 | Zig:22   | Killed an ancient lich
162523 | Zig:22   | Noticed an ancient lich
162523 | Zig:22   | Noticed an ancient lich
162523 | Zig:22   | Noticed an ancient lich
162523 | Zig:22   | Noticed an ancient lich
162524 | Zig:22   | Noticed an ancient lich
162524 | Zig:22   | Noticed a dread lich
162524 | Zig:22   | Noticed a dread lich
162524 | Zig:22   | Noticed an ancient lich
162524 | Zig:22   | Noticed an ancient lich
162524 | Zig:22   | Noticed an ancient lich
162524 | Zig:22   | Noticed a dread lich
162524 | Zig:22   | Noticed a dread lich
162525 | Zig:22   | Killed an ancient lich
162525 | Zig:22   | Killed an ancient lich
162526 | Zig:22   | Killed a dread lich
162526 | Zig:22   | Killed an ancient lich
162526 | Zig:22   | Killed an ancient lich
162526 | Zig:22   | Killed an ancient lich
162526 | Zig:22   | Killed an ancient lich
162526 | Zig:22   | Killed a dread lich
162526 | Zig:22   | Killed an ancient lich
162526 | Zig:22   | Killed a dread lich
162526 | Zig:22   | Killed an ancient lich
162526 | Zig:22   | Noticed an ancient lich
162527 | Zig:22   | Noticed a dread lich
162527 | Zig:22   | Noticed an ancient lich
162527 | Zig:22   | Noticed an ancient lich
162528 | Zig:22   | Killed a dread lich
162528 | Zig:22   | Noticed a dread lich
162528 | Zig:22   | Noticed a dread lich
162529 | Zig:22   | Killed an ancient lich
162529 | Zig:22   | Killed an ancient lich
162529 | Zig:22   | Killed an ancient lich
162529 | Zig:22   | Killed a dread lich
162530 | Zig:22   | Noticed a dread lich
162530 | Zig:22   | Noticed a dread lich
162530 | Zig:22   | Noticed a dread lich
162530 | Zig:22   | Noticed a dread lich
162531 | Zig:22   | Killed a dread lich
162531 | Zig:22   | Killed a dread lich
162531 | Zig:22   | Killed a dread lich
162531 | Zig:22   | Killed a dread lich
162531 | Zig:22   | Killed a dread lich
162532 | Zig:22   | Noticed a dread lich
162532 | Zig:22   | Noticed an ancient lich
162532 | Zig:22   | Noticed a dread lich
162532 | Zig:22   | Noticed a dread lich
162532 | Zig:22   | Noticed a dread lich
162533 | Zig:22   | Killed a dread lich
162534 | Zig:22   | Killed a dread lich
162534 | Zig:22   | Killed an ancient lich
162534 | Zig:22   | Killed a dread lich
162534 | Zig:22   | Killed a dread lich
162535 | Zig:22   | Noticed a dread lich
162535 | Zig:22   | Noticed a dread lich
162535 | Zig:22   | Noticed an ancient lich
162536 | Zig:22   | Noticed a dread lich
162536 | Zig:22   | Noticed a dread lich
162536 | Zig:22   | Killed a dread lich
162536 | Zig:22   | Killed a dread lich
162537 | Zig:22   | Noticed an ancient lich
162538 | Zig:22   | Killed a dread lich
162538 | Zig:22   | Killed a dread lich
162538 | Zig:22   | Killed an ancient lich
162538 | Zig:22   | Killed a dread lich
162538 | Zig:22   | Killed an ancient lich
162538 | Zig:22   | Noticed a dread lich
162538 | Zig:22   | Noticed a dread lich
162539 | Zig:22   | Noticed an ancient lich
162539 | Zig:22   | Noticed an ancient lich
162540 | Zig:22   | Noticed a dread lich
162541 | Zig:22   | Noticed an ancient lich
162541 | Zig:22   | Noticed an ancient lich
162541 | Zig:22   | Noticed a dread lich
162543 | Zig:22   | Killed an ancient lich
162543 | Zig:22   | Killed a dread lich
162543 | Zig:22   | Killed a dread lich
162543 | Zig:22   | Killed an ancient lich
162543 | Zig:22   | Killed an ancient lich
162543 | Zig:22   | Killed an ancient lich
162543 | Zig:22   | Killed a dread lich
162544 | Zig:22   | Noticed an ancient lich
162544 | Zig:22   | Noticed an ancient lich
162544 | Zig:22   | Noticed a dread lich
162545 | Zig:22   | Noticed an ancient lich
162545 | Zig:22   | Killed a dread lich
162545 | Zig:22   | Killed a dread lich
162545 | Zig:22   | Killed an ancient lich
162545 | Zig:22   | Killed an ancient lich
162546 | Zig:22   | Killed an ancient lich
162547 | Zig:22   | Noticed an ancient lich
162551 | Zig:22   | Killed an ancient lich
162908 | Zig:22   | Identified the +5 spear "Diqiy" {vamp, rCorr Int+3}
162916 | Zig:22   | Identified the +5 sling of Courage {elec, Dex+4}
162926 | Zig:22   | Identified the ring of Ikeiwaur {rPois rF+++ Str-5 Dex-3
                  | SInv}
162932 | Zig:22   | Identified the staff of the Orange Skies {+Blink rN+ Int-5
                  | Conj Necro Earth}
162934 | Zig:22   | Identified the ring "Faosoi" {rElec rPois rF+ rC+ Int+2}
162942 | Zig:22   | Identified the +11 quarterstaff of False Accusations
                  | {flame, rN+ rCorr Int+9 Stlth+}
162952 | Zig:22   | Identified the +4 sling of the Messenger {freeze, ^Drain
                  | Str+4 SInv}
162962 | Zig:22   | Identified the +11 sling of World Downfall {freeze, rElec
                  | rPois Int+2}
162964 | Zig:22   | Identified the +6 sling of Ragnarok {antimagic, rElec Will+
                  | Str+4}
162965 | Zig:22   | Identified the +10 flail of Infinite Pain {freeze, rPois
                  | rF+ rC++ Int-4}
162969 | Zig:22   | Identified the ring of Hiulisch {rC++ Str-2 Int+3 SInv}
163033 | Zig:23   | Entered Level 23 of a ziggurat
163033 | Zig:23   | Noticed a seraph
163033 | Zig:23   | Noticed a seraph
163033 | Zig:23   | Identified the +0 tower shield of Indecent Exposure
                  | {+Blink}
163041 | Zig:23   | Killed a seraph
163043 | Zig:23   | Killed a seraph
163044 | Zig:23   | Identified the +3 tower shield of Nyetegud {Rampage MP+9
                  | Str+2}
163054 | Zig:23   | Noticed a seraph
163054 | Zig:23   | Noticed a seraph
163055 | Zig:23   | Noticed a seraph
163060 | Zig:23   | Killed a seraph
163060 | Zig:23   | Killed a seraph
163060 | Zig:23   | Killed a seraph
163061 | Zig:23   | Noticed a seraph
163061 | Zig:23   | Noticed a seraph
163064 | Zig:23   | Killed a seraph
163064 | Zig:23   | Killed a seraph
163065 | Zig:23   | Noticed a seraph
163071 | Zig:23   | Noticed a seraph
163073 | Zig:23   | Killed a seraph
163081 | Zig:23   | Killed a seraph
163089 | Zig:23   | Noticed a seraph
163091 | Zig:23   | Killed a seraph
163093 | Zig:23   | Noticed a seraph
163095 | Zig:23   | Noticed a seraph
163097 | Zig:23   | Killed a seraph
163097 | Zig:23   | Killed a seraph
163107 | Zig:23   | Identified the +6 tower shield of the Tarantula {*Corrode
                  | Will+ Dex+2}
163109 | Zig:23   | Identified the +5 tower shield of Ugiulen {Rampage *Corrode
                  | Will+ SInv}
163331 | Zig:23   | Identified the +1 morningstar "Atetut" {antimagic, ^Fragile
                  | rF+++ rC- rN+++}
163341 | Zig:23   | Identified the +1 pair of boots of Cepnac {rN+ Str+3 Int+3}
163346 | Zig:23   | Identified the staff of Sloth {rN+ Str+3 Int+5 Necro}
163503 | Zig:24   | Entered Level 24 of a ziggurat
163982 | Zig:24   | Identified the +5 quarterstaff "Nenarapa" {freeze, rPois
                  | rF+ rN+ Dex+3}
163999 | Zig:24   | Identified the +7 eudemon blade of Disarray {holy, rF-
                  | Str+3 Int+8}
164007 | Zig:24   | Identified the staff of Untruth {^Fragile +Blink rN+++
                  | Str+3 Earth}
164078 | Zig:25   | Entered Level 25 of a ziggurat
164097 | Zig:25   | Noticed an ancient lich
164098 | Zig:25   | Killed an ancient lich
164215 | Zig:25   | Identified the +6 long sword of Kindness {vamp, rC+}
164221 | Zig:25   | Identified the +1 rapier "Qircheih" {spect, Int+4}
164225 | Zig:25   | Identified the ring of Cowardice {rPois Int+2 Slay+4}
164237 | Zig:25   | Identified the +6 shortbow of the Haunted God {flame, rF+
                  | rC- Int+5 SInv}
164238 | Zig:25   | Identified the +2 orcbow of Gootukyq {speed, rN+ rCorr
                  | Str+3}
164239 | Zig:25   | Identified the +10 scimitar "Vuakyxku" {antimagic, Str+4}
164243 | Zig:25   | Identified the +3 hand axe "Gugeunost" {distort, Str+3
                  | Int+4 Dex+3}
164624 | Zig:26   | Entered Level 26 of a ziggurat
165172 | Zig:26   | Identified the staff of Teruteis {rC+ rCorr Str-4 Dex-4
                  | Summ Ice}
165173 | Zig:26   | Identified the ring "Cusugill" {rPois Str+2}
165175 | Zig:26   | Identified the ring "Wul Wuav" {rPois rC- Str+7 Int+6
                  | Slay-3}
165189 | Zig:26   | Identified the ring "Watrypp" {rPois Str+6 Slay+2}
165193 | Zig:26   | Identified the +2 robe "Faroefez" {rElec Dex+4}
165200 | Zig:26   | Identified the ring "Esitt" {MP+9 Int+6}
165203 | Zig:26   | Identified the +0 robe of Kiydghar {-Tele rF+ rC+ Str+3}
165215 | Zig:26   | Identified the +1 robe of a ziggurat {Stlth+}
165286 | Zig:27   | Entered Level 27 of a ziggurat
165317 | Zig:27   | Noticed Dyrru the pandemonium lord
165321 | Zig:27   | Killed Dyrru the pandemonium lord
165332 | Zig:27   | Found the +0 toga "Victory" {*Victory Clar}
165392 | Zig:27   | Identified the +8 chain mail "Byrhoips" {Will+ Str+2}
165400 | Zig:27   | Identified the +4 war axe of Anip {elec, rN+++}
165405 | Zig:27   | Identified the ring "Covueleo" {*Slow rC++ rN++ SInv}
165407 | Zig:27   | Identified the +2 helmet of the Gloaming {rPois rF+ Regen+
                  | Stlth-}
165421 | Zig:27   | Identified the +0 chain mail "Doaheph" {rElec}
165426 | Zig:27   | Identified the +8 glaive "Undertaker" {flame, Fly rPois rF-
                  | Stlth-}
165427 | Zig:27   | Identified the +3 morningstar of the Grinning Asp {flame,
                  | Fly Stlth+}
165431 | Zig:27   | Identified the +2 robe "Koecw" {rN+ Str+2}
165433 | Zig:27   | Identified the +0 ring mail of Mutualism {+Blink}
165437 | Zig:27   | Identified the +11 orcbow "Abres" {speed, rElec Int+3}
165439 | Zig:27   | Identified the +1 rapier of Emoajyiz {flame, ^Contam Int+3
                  | Dex+2}
165440 | Zig:27   | Identified the +1 plate armour of Etot {Str+5 Int+3}
165466 | Zig:27   | Identified the +0 chain mail "Acsagood" {rPois Int+5 Dex-3}
165949 | Zig:27   | Identified the +10 whip of Puheacel {distort, rN+ MP-9
                  | Stlth+}
165975 | Depths:3 | Acquired 1005 gold pieces
165976 | Depths:3 | Acquired 785 gold pieces
165977 | Depths:3 | Acquired 790 gold pieces
165978 | Depths:3 | Acquired 1076 gold pieces
165979 | Depths:3 | Acquired 515 gold pieces
165980 | Depths:3 | Acquired 460 gold pieces
165981 | Depths:3 | Acquired 696 gold pieces
165982 | Depths:3 | Acquired 768 gold pieces
165983 | Depths:3 | Acquired the +0 pair of gloves "Dojih" {Int+6}
165998 | Zig:1    | Entered Level 1 of a ziggurat
166044 | Zig:2    | Entered Level 2 of a ziggurat
166044 | Zig:2    | Noticed a juggernaut
166045 | Zig:2    | Noticed a juggernaut
166047 | Zig:2    | Noticed a juggernaut
166048 | Zig:2    | Killed a juggernaut
166048 | Zig:2    | Killed a juggernaut
166051 | Zig:2    | Killed a juggernaut
166149 | Zig:3    | Entered Level 3 of a ziggurat
166242 | Zig:4    | Entered Level 4 of a ziggurat
166342 | Zig:4    | Identified the +6 scale mail of Weirdness {rC- MP+9 Dex-3
                  | SInv}
166350 | Zig:4    | Identified the +15 plate armour of Past Mistakes {Will++
                  | Str+2}
166374 | Zig:4    | Identified the +8 great sword "Mip Vaixo" {pain, rPois rC+
                  | Str-2 Int+3}
166394 | Zig:5    | Entered Level 5 of a ziggurat
166431 | Zig:5    | Identified the ring "Kudes" {rF+ EV+5}
166582 | Zig:6    | Entered Level 6 of a ziggurat
166582 | Zig:6    | Noticed a dread lich
166582 | Zig:6    | Noticed an ancient lich
166582 | Zig:6    | Noticed an ancient lich
166582 | Zig:6    | Noticed a dread lich
166583 | Zig:6    | Killed a dread lich
166583 | Zig:6    | Killed an ancient lich
166585 | Zig:6    | Killed an ancient lich
166585 | Zig:6    | Killed a dread lich
166586 | Zig:6    | Noticed an ancient lich
166586 | Zig:6    | Noticed a dread lich
166586 | Zig:6    | Noticed a dread lich
166586 | Zig:6    | Noticed a dread lich
166587 | Zig:6    | Killed a dread lich
166587 | Zig:6    | Killed a dread lich
166587 | Zig:6    | Killed a dread lich
166588 | Zig:6    | Noticed a dread lich
166589 | Zig:6    | Killed an ancient lich
166589 | Zig:6    | Killed a dread lich
166590 | Zig:6    | Noticed an ancient lich
166591 | Zig:6    | Killed an ancient lich
166591 | Zig:6    | Noticed a dread lich
166591 | Zig:6    | Noticed a dread lich
166592 | Zig:6    | Noticed a dread lich
166593 | Zig:6    | Killed a dread lich
166595 | Zig:6    | Killed a dread lich
166595 | Zig:6    | Killed a dread lich
166780 | Zig:7    | Entered Level 7 of a ziggurat
166780 | Zig:7    | Noticed Lajyodd the pandemonium lord
166780 | Zig:7    | Noticed Rydigur the pandemonium lord
166780 | Zig:7    | Noticed Ecwukop the pandemonium lord
166780 | Zig:7    | Noticed Emiab the pandemonium lord
166780 | Zig:7    | Noticed Usahuaz the pandemonium lord
166780 | Zig:7    | Noticed Betom the pandemonium lord
166780 | Zig:7    | Noticed Ruhisoroli the pandemonium lord
166780 | Zig:7    | Noticed Zodufiv the pandemonium lord
166781 | Zig:7    | Killed Lajyodd the pandemonium lord
166781 | Zig:7    | Killed Ruhisoroli the pandemonium lord
166782 | Zig:7    | Noticed Yfaang the pandemonium lord
166782 | Zig:7    | Noticed Yceobeib the pandemonium lord
166783 | Zig:7    | Killed Usahuaz the pandemonium lord
166784 | Zig:7    | Noticed Ligokh the pandemonium lord
166784 | Zig:7    | Killed Betom the pandemonium lord
166784 | Zig:7    | Killed Emiab the pandemonium lord
166784 | Zig:7    | Killed Ecwukop the pandemonium lord
166784 | Zig:7    | Killed Zodufiv the pandemonium lord
166784 | Zig:7    | Killed Ligokh the pandemonium lord
166786 | Zig:7    | Killed Rydigur the pandemonium lord
166786 | Zig:7    | Noticed Fumu the pandemonium lord
166787 | Zig:7    | Killed Yfaang the pandemonium lord
166787 | Zig:7    | Killed Yceobeib the pandemonium lord
166788 | Zig:7    | Noticed Diweq the pandemonium lord
166789 | Zig:7    | Noticed Foerieme the pandemonium lord
166789 | Zig:7    | Noticed Koif the pandemonium lord
166789 | Zig:7    | Killed Fumu the pandemonium lord
166791 | Zig:7    | Noticed Paapp the pandemonium lord
166792 | Zig:7    | Noticed Soopp the pandemonium lord
166794 | Zig:7    | Killed Diweq the pandemonium lord
166794 | Zig:7    | Killed Paapp the pandemonium lord
166795 | Zig:7    | Noticed Xateb the pandemonium lord
166795 | Zig:7    | Noticed Yroel the pandemonium lord
166796 | Zig:7    | Noticed Tedoy the pandemonium lord
166797 | Zig:7    | Killed Xateb the pandemonium lord
166797 | Zig:7    | Killed Koif the pandemonium lord
166798 | Zig:7    | Killed Soopp the pandemonium lord
166798 | Zig:7    | Killed Foerieme the pandemonium lord
166799 | Zig:7    | Noticed Wewofa the pandemonium lord
166800 | Zig:7    | Killed Yroel the pandemonium lord
166800 | Zig:7    | Noticed Civeriti the pandemonium lord
166802 | Zig:7    | Killed Wewofa the pandemonium lord
166804 | Zig:7    | Noticed Basus the pandemonium lord
166805 | Zig:7    | Killed Civeriti the pandemonium lord
166806 | Zig:7    | Killed Tedoy the pandemonium lord
166808 | Zig:7    | Killed Basus the pandemonium lord
166872 | Zig:7    | Identified the +1 scale mail of Inviolability {rC++ Dex-3
                  | Slay+6}
166982 | Zig:8    | Entered Level 8 of a ziggurat
166982 | Zig:8    | Noticed a seraph
166982 | Zig:8    | Noticed a seraph
166985 | Zig:8    | Killed a seraph
166987 | Zig:8    | Identified the -1 tower shield of Polytheism {Regen+}
166988 | Zig:8    | Killed a seraph
167151 | Zig:8    | Identified the +2 robe of the Kappa {rC+}
167165 | Zig:8    | Identified the +3 spear "Emeim" {flame, ^Contam rPois rC+}
167185 | Zig:8    | Identified the +6 morningstar of the Ethereal God {spect,
                  | Int+2}
167232 | Zig:9    | Entered Level 9 of a ziggurat
167315 | Zig:9    | Identified the staff of a bazaar {rElec Str+2 Tloc Air}
167323 | Zig:9    | Identified the ring of the Solstice {rElec rN+ Will+}
167573 | Zig:10   | Entered Level 10 of a ziggurat
167823 | Zig:10   | Identified the +10 orcbow of Courage {drain, Will+}
167828 | Zig:10   | Identified the ring "Kainele" {rPois rF++ rCorr Str+3
                  | Dex-5}
167856 | Zig:10   | Identified the amulet "Xaunom" {Regen+ Dex+3}
167872 | Zig:10   | Identified the ring of Boubrualo {rC+ Int+5}
167920 | Zig:11   | Entered Level 11 of a ziggurat
167942 | Zig:11   | Noticed Ojastim the pandemonium lord
167952 | Zig:11   | Killed Ojastim the pandemonium lord
168038 | Zig:11   | Identified the ring of the Orange Skies {rC++ AC+4}
168040 | Zig:11   | Identified the staff of Jetawol {^Fragile rPois rF+ Dex+4
                  | Alchemy}
168042 | Zig:11   | Identified the +9 orcbow "Peack" {antimagic, rN+}
168056 | Zig:11   | Identified the +1 robe of Wu Jian {rF+}
168210 | Zig:12   | Entered Level 12 of a ziggurat
168272 | Zig:12   | Identified the +6 eudemon blade of the Wilderness {holy,
                  | Will+ Dex+2}
168548 | Zig:12   | Identified the staff of Purpose {rPois rN++ Stlth- Necro
                  | Earth}
168589 | Zig:13   | Entered Level 13 of a ziggurat
168589 | Zig:13   | Noticed a juggernaut
168589 | Zig:13   | Noticed a juggernaut
168591 | Zig:13   | Killed a juggernaut
168591 | Zig:13   | Killed a juggernaut
168599 | Zig:13   | Noticed a juggernaut
168601 | Zig:13   | Killed a juggernaut
168603 | Zig:13   | Noticed a juggernaut
168605 | Zig:13   | Killed a juggernaut
168689 | Zig:13   | Identified the +1 morningstar "Tito" {flame, Int+5 Stlth+}
168700 | Zig:13   | Identified the staff of Subjectivity {rElec Earth}
168701 | Zig:13   | Identified the ring "Gioroih" {rElec rC+ AC+4 Str+2}
168720 | Zig:13   | Identified the +1 robe of Cynicism {rN++ Dex+4}
168987 | Zig:14   | Entered Level 14 of a ziggurat
169262 | Zig:14   | Identified the +0 lajatang of Duty {holy, rF+ rN+ Int+5}
169284 | Zig:14   | Identified the +8 mace "Unerass" {heavy, rN+}
169296 | Zig:14   | Identified the staff of Webui {+Blink rElec rC+ Str+3 Int-2
                  | Ice}
169322 | Zig:14   | Identified the ring of Linearity {rN+ Will+ rCorr Int-3}
169362 | Zig:14   | Identified the +4 battleaxe "Voh Faar" {pain, rPois rF+
                  | Str+4}
169377 | Zig:14   | Identified the ring "Vuymygh" {Fly rF+ rC- rN+ Str+4}
169380 | Zig:14   | Identified the +6 scale mail of Cowardice {Str+3}
169393 | Zig:15   | Entered Level 15 of a ziggurat
169393 | Zig:15   | Noticed a royal mummy
169393 | Zig:15   | Noticed a royal mummy
169393 | Zig:15   | Noticed a royal mummy
169393 | Zig:15   | Noticed a royal mummy
169393 | Zig:15   | Noticed a royal mummy
169393 | Zig:15   | Noticed a royal mummy
169393 | Zig:15   | Noticed a royal mummy
169393 | Zig:15   | Noticed a royal mummy
169394 | Zig:15   | Killed a royal mummy
169394 | Zig:15   | Killed a royal mummy
169394 | Zig:15   | Killed a royal mummy
169394 | Zig:15   | Killed a royal mummy
169394 | Zig:15   | Killed a royal mummy
169394 | Zig:15   | Killed a royal mummy
169394 | Zig:15   | Killed a royal mummy
169394 | Zig:15   | Killed a royal mummy
169398 | Zig:15   | Noticed a royal mummy
169398 | Zig:15   | Noticed a royal mummy
169398 | Zig:15   | Noticed a royal mummy
169400 | Zig:15   | Noticed a royal mummy
169400 | Zig:15   | Noticed a royal mummy
169401 | Zig:15   | Killed a royal mummy
169401 | Zig:15   | Killed a royal mummy
169401 | Zig:15   | Killed a royal mummy
169402 | Zig:15   | Noticed a royal mummy
169402 | Zig:15   | Killed a royal mummy
169402 | Zig:15   | Noticed a royal mummy
169403 | Zig:15   | Killed a royal mummy
169403 | Zig:15   | Noticed a royal mummy
169404 | Zig:15   | Killed a royal mummy
169406 | Zig:15   | Killed a royal mummy
169406 | Zig:15   | Killed a royal mummy
169407 | Zig:15   | Noticed a royal mummy
169408 | Zig:15   | Noticed a royal mummy
169409 | Zig:15   | Killed a royal mummy
169411 | Zig:15   | Killed a royal mummy
169413 | Zig:15   | Noticed a royal mummy
169414 | Zig:15   | Noticed a royal mummy
169414 | Zig:15   | Noticed a royal mummy
169416 | Zig:15   | Killed a royal mummy
169417 | Zig:15   | Killed a royal mummy
169421 | Zig:15   | Killed a royal mummy
169796 | Zig:15   | Identified the +8 falchion "Teurgh" {heavy, rPois rF- SInv}
169806 | Zig:16   | Entered Level 16 of a ziggurat
170075 | Zig:16   | Identified the ring of Generosity {rPois Dex+5 Stlth-}
170077 | Zig:16   | Identified the staff "Zuelluv" {*Slow rPois Dex+4 Alchemy}
170078 | Zig:16   | Identified the +5 rapier "Leeskuw" {spect, rF+ Str+4}
170092 | Zig:16   | Identified the ring "Acwaur" {rF- rC+ rN+ Str+8 SInv}
170135 | Zig:16   | Identified the staff of Pali {rC- Dex+5 Earth}
170187 | Zig:17   | Entered Level 17 of a ziggurat
170209 | Zig:17   | Noticed Fyfod the pandemonium lord
170220 | Zig:17   | Killed Fyfod the pandemonium lord
170295 | Zig:17   | Identified the ring "Ufah" {rPois rF- Will+ Dex+4 Slay+2}
170310 | Zig:17   | Identified the +7 rapier of the Mind {holy, Int+2}
170663 | Zig:18   | Entered Level 18 of a ziggurat
170663 | Zig:18   | Noticed an ancient lich
170663 | Zig:18   | Noticed an ancient lich
170663 | Zig:18   | Noticed an ancient lich
170663 | Zig:18   | Noticed a dread lich
170664 | Zig:18   | Killed a dread lich
170664 | Zig:18   | Killed an ancient lich
170664 | Zig:18   | Killed an ancient lich
170665 | Zig:18   | Killed an ancient lich
170665 | Zig:18   | Noticed an ancient lich
170666 | Zig:18   | Noticed an ancient lich
170666 | Zig:18   | Noticed an ancient lich
170667 | Zig:18   | Killed an ancient lich
170667 | Zig:18   | Killed an ancient lich
170668 | Zig:18   | Noticed a dread lich
170670 | Zig:18   | Noticed a dread lich
170670 | Zig:18   | Noticed an ancient lich
170671 | Zig:18   | Killed an ancient lich
170672 | Zig:18   | Killed a dread lich
170672 | Zig:18   | Killed an ancient lich
170673 | Zig:18   | Killed a dread lich
170674 | Zig:18   | Noticed an ancient lich
170674 | Zig:18   | Noticed a dread lich
170674 | Zig:18   | Noticed a dread lich
170674 | Zig:18   | Noticed an ancient lich
170675 | Zig:18   | Noticed a dread lich
170675 | Zig:18   | Killed an ancient lich
170675 | Zig:18   | Killed a dread lich
170675 | Zig:18   | Killed a dread lich
170675 | Zig:18   | Noticed an ancient lich
170676 | Zig:18   | Noticed an ancient lich
170677 | Zig:18   | Killed an ancient lich
170677 | Zig:18   | Killed an ancient lich
170677 | Zig:18   | Killed a dread lich
170677 | Zig:18   | Noticed a dread lich
170677 | Zig:18   | Noticed an ancient lich
170678 | Zig:18   | Killed an ancient lich
170678 | Zig:18   | Killed a dread lich
170678 | Zig:18   | Killed an ancient lich
170679 | Zig:18   | Noticed an ancient lich
170679 | Zig:18   | Noticed a dread lich
170679 | Zig:18   | Noticed a dread lich
170680 | Zig:18   | Killed a dread lich
170680 | Zig:18   | Killed a dread lich
170680 | Zig:18   | Killed an ancient lich
170682 | Zig:18   | Noticed an ancient lich
170682 | Zig:18   | Noticed an ancient lich
170682 | Zig:18   | Noticed an ancient lich
170683 | Zig:18   | Killed an ancient lich
170683 | Zig:18   | Killed an ancient lich
170686 | Zig:18   | Killed an ancient lich
170688 | Zig:18   | Noticed a dread lich
170693 | Zig:18   | Found the +7 staff of the Meek {protect, meekguard}
170699 | Zig:18   | Killed a dread lich
170728 | Zig:18   | Identified the +1 arbalest of Duiwn {antimagic, Will++
                  | Str+4 Dex-4}
170730 | Zig:18   | Identified the +0 scale mail "Fateog Oneu" {^Contam Fly
                  | Str+2 Stlth+}
170731 | Zig:18   | Identified the +0 pair of gloves of the Present {+Blink rN+
                  | Dex-4}
170741 | Zig:18   | Identified the +7 quarterstaff of Bodily Humours {flame,
                  | Int+7}
171025 | Zig:18   | Identified the +5 double sword of Mastery {pain, +Blink
                  | Will+ Dex-4}
171042 | Zig:18   | Identified the +2 scale mail of Follow the Leader {+Blink
                  | rCorr Dex-2 Slay+6}
171055 | Zig:18   | Identified the +6 rapier "Tattletale" {flame, ^Contam rN+
                  | Str+3}
171060 | Zig:18   | Identified the +5 battleaxe "Deuplez" {heavy, rC+ Will-
                  | Int+8 Dex+2}
171077 | Zig:18   | Identified the ring "Pumaum" {Wiz rF+ Will+ Str+3}
171148 | Zig:19   | Entered Level 19 of a ziggurat
171150 | Zig:19   | Paralysed by an air elemental for 1 turns
171222 | Zig:19   | Identified the +6 orcbow of the Secret Knives {heavy, rPois
                  | Dex+5}
171232 | Zig:19   | Identified the +8 chain mail of Rotation {Int+3 Dex+2
                  | Stlth+}
171233 | Zig:19   | Identified the amulet "Podic" {Reflect rF+ rN++ SH+5}
171240 | Zig:19   | Identified the +1 scale mail of Light {Harm}
171244 | Zig:19   | Identified the ring "Lobabb" {Dex+6 SInv}
171258 | Zig:19   | Identified the amulet "Putiu" {RegenMP Int+3 SInv}
171640 | Zig:20   | Entered Level 20 of a ziggurat
171640 | Zig:20   | Noticed a seraph
171640 | Zig:20   | Noticed a seraph
171642 | Zig:20   | Killed a seraph
171644 | Zig:20   | Noticed a seraph
171645 | Zig:20   | Identified the +0 buckler of Inquiry {Rampage rF++ Str-2}
171645 | Zig:20   | Identified the +2 buckler of the Doldrums {rElec SInv
                  | Stlth+}
171646 | Zig:20   | Noticed a seraph
171646 | Zig:20   | Killed a seraph
171647 | Zig:20   | Noticed a seraph
171648 | Zig:20   | Killed a seraph
171648 | Zig:20   | Killed a seraph
171651 | Zig:20   | Noticed a seraph
171652 | Zig:20   | Killed a seraph
171654 | Zig:20   | Killed a seraph
171654 | Zig:20   | Identified the +0 tower shield "Cali" {Slay+2}
171655 | Zig:20   | Noticed a seraph
171655 | Zig:20   | Noticed a seraph
171661 | Zig:20   | Killed a seraph
171661 | Zig:20   | Identified the +1 tower shield of Osmif {SInv}
171664 | Zig:20   | Noticed a seraph
171664 | Zig:20   | Killed a seraph
171666 | Zig:20   | Noticed a seraph
171668 | Zig:20   | Identified the +3 tower shield "Qiogekh" {rCorr Int+3
                  | Dex+3}
171669 | Zig:20   | Noticed a seraph
171670 | Zig:20   | Killed a seraph
171671 | Zig:20   | Noticed a seraph
171672 | Zig:20   | Killed a seraph
171674 | Zig:20   | Killed a seraph
171675 | Zig:20   | Noticed a seraph
171676 | Zig:20   | Noticed a seraph
171678 | Zig:20   | Killed a seraph
171678 | Zig:20   | Killed a seraph
171678 | Zig:20   | Killed a seraph
171681 | Zig:20   | Identified the +8 tower shield of Diusupnorisk {*Corrode
                  | rPois rN+ Str+4}
171687 | Zig:20   | Noticed a seraph
171688 | Zig:20   | Identified the +0 tower shield of Nemelex Xobeh's Anger
                  | {rN+ Int+8 Dex-4}
171690 | Zig:20   | Identified the +5 buckler of the Playwright {Str+3 Int+3}
171692 | Zig:20   | Killed a seraph
172041 | Zig:20   | Identified the ring of Xuifiun {rCorr Str+3}
172043 | Zig:20   | Identified the +4 ring mail of the Loofah {^Drain Slay+3
                  | Stlth+}
172057 | Zig:20   | Identified the ring "Molij" {Wiz Fly}
172059 | Zig:20   | Identified the ring of Qaceap {Ice Dex+5}
172064 | Zig:20   | Identified the ring "Vitear" {rF+ Str+3 Int+7 SInv}
172070 | Zig:20   | Identified the amulet "Koll" {RegenMP Fly rElec Dex-4
                  | Stlth+}
172077 | Zig:20   | Identified the +1 whip "Ecoo" {venom, rC+ Will+}
172098 | Zig:20   | Identified the +5 ring mail "Ossiru" {Stlth+}
172123 | Zig:21   | Entered Level 21 of a ziggurat
172316 | Zig:21   | Identified the ring "Zezu" {^Drain Str+5 Slay+4}
172344 | Zig:21   | Identified the +1 mace "Wuru Cuf" {spect, rPois rF+ MP+9
                  | Dex+3}
172356 | Zig:21   | Identified the +10 falchion "Kofora" {freeze, *Noise Str+4
                  | Int+2}
172365 | Zig:21   | Identified the amulet of Hoowinib {Reflect rPois rC+ Int+3
                  | SH+5 SInv}
172382 | Zig:21   | Identified the +2 helmet of Cujy {Harm Int-2 Dex+2}
172643 | Zig:21   | Identified the ring of Tomuzer {rPois SInv}
172671 | Zig:22   | Entered Level 22 of a ziggurat
173099 | Zig:22   | Identified the ring of Hues {Fly rN++}
173105 | Zig:22   | Identified the +9 arbalest "Oraanigi" {elec, *Corrode Str+4
                  | Dex+6}
173111 | Zig:22   | Identified the +6 leather armour of Action {*Slow rF++
                  | SInv}
173115 | Zig:22   | Identified the +5 falchion of Ibetul {freeze, rN+ Int-3
                  | Dex+3}
173152 | Zig:22   | Identified the amulet of Urgho {Acrobat Harm rElec rCorr
                  | Int+3}
173160 | Zig:22   | Identified the +5 eudemon blade "Doili" {holy, Int+2}
173165 | Zig:22   | Identified the +4 quarterstaff of Rubbish {venom, Str+3
                  | Stlth+}
173177 | Zig:22   | Identified the staff of Discomfort {rF+ Will+ Int+2 Fire
                  | Alchemy}
173179 | Zig:22   | Identified the ring "Wounuusk" {Ice rCorr Str+5}
173200 | Zig:22   | Identified the +0 falchion "Icureom" {venom, rPois rN+
                  | Int-4}
173258 | Zig:23   | Entered Level 23 of a ziggurat
173274 | Zig:23   | Paralysed by an air elemental for 1 turns
173293 | Zig:23   | Found the +5 woodcutter's axe
173334 | Zig:23   | Identified the +7 falchion "Qemorph" {drain, +Blink}
173349 | Zig:23   | Identified the staff of Okawaru {^Contam rF+ rC++ Conj
                  | Hexes Fire}
173362 | Zig:23   | Identified the ring of Syseaps {rPois AC+4 Int+5}
173380 | Zig:23   | Identified the +5 great mace of Prescription {flame,
                  | ^Fragile rF++ Will++}
173476 | Zig:23   | Identified the staff "Lihynwet" {rC+ rCorr Int+3 Ice}
173867 | Zig:24   | Entered Level 24 of a ziggurat
173896 | Zig:24   | Found the +5 Force Lance {heavy, knockback}
173908 | Zig:24   | Found the +1 Delatra's gloves {ID++}
173926 | Zig:24   | Identified the +9 eudemon blade of the Rescuing Priest
                  | {holy, ^Fragile Fly rElec rN+}
174368 | Zig:24   | Identified the +1 leather armour of the Dungeon {Dex+3}
174372 | Zig:24   | Identified the +2 lajatang "Kayriow" {flame, +Blink rN+
                  | Dex-3}
174382 | Zig:24   | Identified the staff "Myiq" {rC+ Will+ Tloc Ice}
174399 | Zig:24   | Identified the +8 rapier "Tuoskach" {heavy, Fly rF++ Str+3
                  | Dex-4}
174426 | Zig:24   | Identified the +3 robe "Zuyjaim" {-Tele rElec Int+2 Slay+5}
174439 | Zig:24   | Identified the ring "Gapsen" {rF+ MP+9}
174442 | Zig:24   | Identified the ring "Gomesiyl" {rElec Will+}
174518 | Zig:25   | Entered Level 25 of a ziggurat
174518 | Zig:25   | Noticed Cullap the pandemonium lord
174518 | Zig:25   | Noticed Muwuix the pandemonium lord
174518 | Zig:25   | Noticed Ulyfiafe the pandemonium lord
174518 | Zig:25   | Noticed Gugykuag the pandemonium lord
174518 | Zig:25   | Noticed Kiaduph the pandemonium lord
174518 | Zig:25   | Noticed Voxoymic the pandemonium lord
174518 | Zig:25   | Noticed Fenogar the pandemonium lord
174518 | Zig:25   | Noticed Ikkif the pandemonium lord
174518 | Zig:25   | Noticed Nuuz the pandemonium lord
174518 | Zig:25   | Noticed Eparyt the pandemonium lord
174518 | Zig:25   | Noticed Nijuxilu the pandemonium lord
174518 | Zig:25   | Noticed Arenaeru the pandemonium lord
174518 | Zig:25   | Noticed Nafyluca the pandemonium lord
174518 | Zig:25   | Noticed Rioph the pandemonium lord
174518 | Zig:25   | Noticed Ebreot Paiwo the pandemonium lord
174518 | Zig:25   | Noticed Seijit the pandemonium lord
174518 | Zig:25   | Noticed Xixkuxzi the pandemonium lord
174518 | Zig:25   | Noticed Hex Rogui the pandemonium lord
174518 | Zig:25   | Noticed Miushock the pandemonium lord
174520 | Zig:25   | Noticed Ahamo the pandemonium lord
174521 | Zig:25   | Killed Nijuxilu the pandemonium lord
174521 | Zig:25   | Killed Ikkif the pandemonium lord
174521 | Zig:25   | Noticed Gitodiy the pandemonium lord
174521 | Zig:25   | Noticed Kagoek the pandemonium lord
174522 | Zig:25   | Killed Gugykuag the pandemonium lord
174522 | Abyss:7  | Entered Level 7 of the Abyss
174522 | Abyss:7  | Cast into level 7 of the Abyss (Killer Klown)
174563 | Zig:25   | Escaped the Abyss
174563 | Zig:25   | Noticed Atoni the pandemonium lord
174563 | Zig:25   | Noticed Ysseoxtyec the pandemonium lord
174563 | Zig:25   | Noticed Xacvual the pandemonium lord
174564 | Zig:25   | Noticed Ixidgh the pandemonium lord
174564 | Zig:25   | Killed Miushock the pandemonium lord
174564 | Zig:25   | Killed Nafyluca the pandemonium lord
174565 | Zig:25   | Killed Rioph the pandemonium lord
174565 | Zig:25   | Killed Xixkuxzi the pandemonium lord
174565 | Zig:25   | Killed Arenaeru the pandemonium lord
174565 | Zig:25   | Killed Fenogar the pandemonium lord
174566 | Zig:25   | Killed Eparyt the pandemonium lord
174566 | Zig:25   | Killed Kiaduph the pandemonium lord
174566 | Zig:25   | Noticed Ofum the pandemonium lord
174566 | Zig:25   | Noticed Butassut the pandemonium lord
174567 | Zig:25   | Noticed Ravoagg the pandemonium lord
174567 | Zig:25   | Noticed Bublimue the pandemonium lord
174568 | Zig:25   | Noticed Girablaj the pandemonium lord
174568 | Zig:25   | Noticed Coocrounapli the pandemonium lord
174569 | Zig:25   | Killed Voxoymic the pandemonium lord
174569 | Zig:25   | Killed Hex Rogui the pandemonium lord
174569 | Zig:25   | Killed Cullap the pandemonium lord
174569 | Zig:25   | Killed Kagoek the pandemonium lord
174569 | Zig:25   | Killed Ebreot Paiwo the pandemonium lord
174569 | Zig:25   | Noticed Holo the pandemonium lord
174570 | Zig:25   | Killed Ysseoxtyec the pandemonium lord
174570 | Zig:25   | Killed Ahamo the pandemonium lord
174570 | Zig:25   | Killed Seijit the pandemonium lord
174570 | Zig:25   | Killed Nuuz the pandemonium lord
174570 | Zig:25   | Noticed Ximuihut the pandemonium lord
174570 | Zig:25   | Killed Bublimue the pandemonium lord
174570 | Zig:25   | Noticed Odoufuug the pandemonium lord
174571 | Zig:25   | Killed Muwuix the pandemonium lord
174571 | Zig:25   | Killed Ixidgh the pandemonium lord
174571 | Zig:25   | Noticed Reivofum the pandemonium lord
174571 | Zig:25   | Noticed Ota Cesa the pandemonium lord
174572 | Zig:25   | Killed Atoni the pandemonium lord
174572 | Zig:25   | Killed Ulyfiafe the pandemonium lord
174572 | Zig:25   | Killed Xacvual the pandemonium lord
174573 | Zig:25   | Killed Ofum the pandemonium lord
174573 | Zig:25   | Killed Ota Cesa the pandemonium lord
174573 | Zig:25   | Killed Ravoagg the pandemonium lord
174573 | Zig:25   | Killed Odoufuug the pandemonium lord
174573 | Zig:25   | Killed Butassut the pandemonium lord
174573 | Zig:25   | Noticed Mab Aff the pandemonium lord
174573 | Zig:25   | Noticed Oscheca the pandemonium lord
174574 | Zig:25   | Noticed Tenyoc the pandemonium lord
174575 | Zig:25   | Killed Ximuihut the pandemonium lord
174575 | Zig:25   | Killed Girablaj the pandemonium lord
174575 | Zig:25   | Noticed Haizab the pandemonium lord
174576 | Zig:25   | Killed Reivofum the pandemonium lord
174576 | Zig:25   | Noticed Quloddai the pandemonium lord
174577 | Zig:25   | Killed Holo the pandemonium lord
174577 | Zig:25   | Killed Oscheca the pandemonium lord
174577 | Zig:25   | Killed Mab Aff the pandemonium lord
174577 | Zig:25   | Noticed Rilempar the pandemonium lord
174577 | Zig:25   | Noticed Vatoaz the pandemonium lord
174577 | Zig:25   | Noticed Unomant the pandemonium lord
174578 | Zig:25   | Killed Coocrounapli the pandemonium lord
174578 | Zig:25   | Killed Rilempar the pandemonium lord
174578 | Zig:25   | Killed Tenyoc the pandemonium lord
174578 | Zig:25   | Noticed Estrum the pandemonium lord
174579 | Zig:25   | Noticed Paachini the pandemonium lord
174579 | Zig:25   | Killed Haizab the pandemonium lord
174579 | Zig:25   | Killed Paachini the pandemonium lord
174579 | Zig:25   | Killed Unomant the pandemonium lord
174579 | Zig:25   | Noticed Voxkocuta the pandemonium lord
174579 | Zig:25   | Killed Vatoaz the pandemonium lord
174580 | Zig:25   | Noticed Nadom the pandemonium lord
174580 | Zig:25   | Noticed Bifa Quo the pandemonium lord
174580 | Zig:25   | Noticed Ryehac the pandemonium lord
174580 | Zig:25   | Noticed Voemow the pandemonium lord
174580 | Zig:25   | Noticed Jeudykh the pandemonium lord
174580 | Zig:25   | Noticed Xote the pandemonium lord
174581 | Zig:25   | Noticed Udasa the pandemonium lord
174582 | Zig:25   | Noticed Voddagog the pandemonium lord
174582 | Zig:25   | Killed Quloddai the pandemonium lord
174582 | Zig:25   | Killed Nadom the pandemonium lord
174582 | Zig:25   | Killed Voemow the pandemonium lord
174582 | Zig:25   | Killed Xote the pandemonium lord
174583 | Zig:25   | Killed Voxkocuta the pandemonium lord
174583 | Zig:25   | Killed Jeudykh the pandemonium lord
174583 | Zig:25   | Killed Ryehac the pandemonium lord
174583 | Zig:25   | Noticed Faimifufipn the pandemonium lord
174583 | Zig:25   | Noticed Omoysapo the pandemonium lord
174583 | Zig:25   | Noticed Diovog the pandemonium lord
174583 | Zig:25   | Noticed Ikonoeb the pandemonium lord
174584 | Zig:25   | Killed Estrum the pandemonium lord
174584 | Zig:25   | Killed Bifa Quo the pandemonium lord
174584 | Zig:25   | Noticed Gaes the pandemonium lord
174584 | Zig:25   | Noticed Laujyram the pandemonium lord
174585 | Zig:25   | Killed Omoysapo the pandemonium lord
174585 | Zig:25   | Killed Ikonoeb the pandemonium lord
174586 | Zig:25   | Killed Gaes the pandemonium lord
174586 | Zig:25   | Noticed Torrueps the pandemonium lord
174587 | Zig:25   | Noticed Bitug the pandemonium lord
174587 | Zig:25   | Killed Udasa the pandemonium lord
174587 | Zig:25   | Killed Gitodiy the pandemonium lord
174587 | Zig:25   | Noticed Eripor the pandemonium lord
174587 | Zig:25   | Noticed Zeyrousch the pandemonium lord
174590 | Zig:25   | Killed Diovog the pandemonium lord
174590 | Zig:25   | Killed Torrueps the pandemonium lord
174590 | Zig:25   | Noticed Emeovuz the pandemonium lord
174590 | Zig:25   | Noticed Fifealoc the pandemonium lord
174591 | Zig:25   | Killed Voddagog the pandemonium lord
174591 | Zig:25   | Noticed Sywum the pandemonium lord
174591 | Zig:25   | Noticed Pigeowk the pandemonium lord
174592 | Zig:25   | Noticed Jicybati the pandemonium lord
174592 | Zig:25   | Killed Bitug the pandemonium lord
174592 | Zig:25   | Killed Laujyram the pandemonium lord
174592 | Zig:25   | Killed Faimifufipn the pandemonium lord
174592 | Zig:25   | Killed Eripor the pandemonium lord
174593 | Zig:25   | Noticed Xuiwenaur the pandemonium lord
174593 | Zig:25   | Noticed Qixeloer the pandemonium lord
174594 | Zig:25   | Noticed Awnus the pandemonium lord
174594 | Zig:25   | Noticed Qopu the pandemonium lord
174594 | Zig:25   | Noticed Egoc the pandemonium lord
174594 | Zig:25   | Noticed Nopsan the pandemonium lord
174595 | Zig:25   | Noticed Kor Zul the pandemonium lord
174595 | Zig:25   | Killed Sywum the pandemonium lord
174595 | Zig:25   | Killed Pigeowk the pandemonium lord
174595 | Zig:25   | Noticed Teh Gyeg the pandemonium lord
174595 | Zig:25   | Noticed Antaut the pandemonium lord
174596 | Zig:25   | Noticed Tum Tokutoo the pandemonium lord
174596 | Zig:25   | Noticed Yhuiras the pandemonium lord
174596 | Zig:25   | Killed Qixeloer the pandemonium lord
174596 | Zig:25   | Killed Zeyrousch the pandemonium lord
174596 | Zig:25   | Killed Kor Zul the pandemonium lord
174596 | Zig:25   | Killed Awnus the pandemonium lord
174596 | Zig:25   | Killed Jicybati the pandemonium lord
174596 | Zig:25   | Noticed Paxtaat the pandemonium lord
174597 | Zig:25   | Killed Emeovuz the pandemonium lord
174597 | Zig:25   | Noticed Jesadoudd the pandemonium lord
174598 | Zig:25   | Killed Paxtaat the pandemonium lord
174598 | Zig:25   | Killed Tum Tokutoo the pandemonium lord
174598 | Zig:25   | Noticed Waurasy the pandemonium lord
174598 | Zig:25   | Noticed Ystarph the pandemonium lord
174598 | Zig:25   | Noticed Pairphios the pandemonium lord
174599 | Zig:25   | Killed Yhuiras the pandemonium lord
174599 | Zig:25   | Killed Teh Gyeg the pandemonium lord
174599 | Zig:25   | Killed Egoc the pandemonium lord
174599 | Zig:25   | Killed Fifealoc the pandemonium lord
174600 | Zig:25   | Killed Nopsan the pandemonium lord
174600 | Zig:25   | Noticed Nuinn the pandemonium lord
174600 | Zig:25   | Noticed Tetuq the pandemonium lord
174600 | Zig:25   | Noticed Ippadof the pandemonium lord
174600 | Zig:25   | Noticed Bapt the pandemonium lord
174601 | Zig:25   | Killed Jesadoudd the pandemonium lord
174601 | Zig:25   | Killed Xuiwenaur the pandemonium lord
174601 | Zig:25   | Noticed Erchevept the pandemonium lord
174602 | Zig:25   | Killed Ippadof the pandemonium lord
174602 | Zig:25   | Killed Bapt the pandemonium lord
174602 | Zig:25   | Noticed Lobuos the pandemonium lord
174602 | Zig:25   | Noticed Uclej the pandemonium lord
174602 | Zig:25   | Noticed Xoic the pandemonium lord
174603 | Zig:25   | Noticed Ehamodgh the pandemonium lord
174603 | Zig:25   | Killed Erchevept the pandemonium lord
174603 | Zig:25   | Killed Pairphios the pandemonium lord
174603 | Zig:25   | Killed Nuinn the pandemonium lord
174604 | Zig:25   | Noticed Xafajug the pandemonium lord
174604 | Zig:25   | Noticed Xion the pandemonium lord
174604 | Zig:25   | Noticed Tuuw the pandemonium lord
174604 | Zig:25   | Noticed Ageis the pandemonium lord
174604 | Zig:25   | Noticed Kaarphirph the pandemonium lord
174604 | Zig:25   | Noticed Cuosm the pandemonium lord
174604 | Zig:25   | Noticed Xius Wot the pandemonium lord
174605 | Zig:25   | Noticed Tariadd the pandemonium lord
174605 | Zig:25   | Killed Waurasy the pandemonium lord
174605 | Zig:25   | Noticed Roputom the pandemonium lord
174606 | Zig:25   | Killed Tetuq the pandemonium lord
174606 | Zig:25   | Killed Ehamodgh the pandemonium lord
174606 | Zig:25   | Killed Ystarph the pandemonium lord
174606 | Zig:25   | Killed Xafajug the pandemonium lord
174606 | Zig:25   | Killed Ageis the pandemonium lord
174606 | Zig:25   | Noticed Migocue the pandemonium lord
174606 | Zig:25   | Noticed Miridegh the pandemonium lord
174607 | Zig:25   | Noticed Xeojon the pandemonium lord
174607 | Zig:25   | Noticed Osotrych the pandemonium lord
174607 | Zig:25   | Noticed Boovoaz the pandemonium lord
174607 | Zig:25   | Noticed Gacken the pandemonium lord
174608 | Zig:25   | Noticed Ruuda the pandemonium lord
174608 | Zig:25   | Killed Cuosm the pandemonium lord
174608 | Zig:25   | Killed Uclej the pandemonium lord
174609 | Zig:25   | Noticed Utirup the pandemonium lord
174610 | Zig:25   | Killed Tariadd the pandemonium lord
174610 | Zig:25   | Killed Lobuos the pandemonium lord
174610 | Zig:25   | Killed Tuuw the pandemonium lord
174610 | Zig:25   | Killed Antaut the pandemonium lord
174611 | Zig:25   | Killed Boovoaz the pandemonium lord
174611 | Zig:25   | Killed Qopu the pandemonium lord
174611 | Zig:25   | Killed Roputom the pandemonium lord
174611 | Zig:25   | Killed Xion the pandemonium lord
174611 | Zig:25   | Noticed Tihuzofo the pandemonium lord
174611 | Zig:25   | Noticed Jemifrini the pandemonium lord
174611 | Zig:25   | Noticed Ifawn the pandemonium lord
174611 | Zig:25   | Noticed Gaqew the pandemonium lord
174612 | Zig:25   | Killed Migocue the pandemonium lord
174612 | Zig:25   | Killed Osotrych the pandemonium lord
174612 | Zig:25   | Killed Ruuda the pandemonium lord
174612 | Zig:25   | Killed Gaqew the pandemonium lord
174612 | Zig:25   | Killed Miridegh the pandemonium lord
174612 | Zig:25   | Killed Xoic the pandemonium lord
174612 | Zig:25   | Killed Xeojon the pandemonium lord
174612 | Zig:25   | Noticed Azen the pandemonium lord
174612 | Zig:25   | Noticed Lawuul the pandemonium lord
174613 | Zig:25   | Killed Kaarphirph the pandemonium lord
174613 | Zig:25   | Killed Jemifrini the pandemonium lord
174613 | Zig:25   | Killed Utirup the pandemonium lord
174613 | Zig:25   | Noticed Ejuuv the pandemonium lord
174613 | Zig:25   | Noticed Xoph the pandemonium lord
174613 | Zig:25   | Noticed Fugituwn the pandemonium lord
174614 | Zig:25   | Killed Gacken the pandemonium lord
174614 | Zig:25   | Killed Tihuzofo the pandemonium lord
174614 | Zig:25   | Killed Lawuul the pandemonium lord
174615 | Zig:25   | Killed Xius Wot the pandemonium lord
174615 | Zig:25   | Noticed Fiwil the pandemonium lord
174615 | Zig:25   | Noticed Meoni the pandemonium lord
174615 | Zig:25   | Noticed Eblinob the pandemonium lord
174615 | Zig:25   | Noticed Kaha the pandemonium lord
174615 | Zig:25   | Noticed Noabun Qunk the pandemonium lord
174616 | Zig:25   | Killed Ifawn the pandemonium lord
174616 | Zig:25   | Killed Eblinob the pandemonium lord
174616 | Zig:25   | Killed Fugituwn the pandemonium lord
174616 | Zig:25   | Killed Ejuuv the pandemonium lord
174616 | Zig:25   | Killed Azen the pandemonium lord
174616 | Zig:25   | Noticed Mapowe the pandemonium lord
174616 | Zig:25   | Noticed Vedioc the pandemonium lord
174616 | Zig:25   | Noticed Ybitecle the pandemonium lord
174618 | Zig:25   | Noticed Beiwi the pandemonium lord
174618 | Zig:25   | Killed Fiwil the pandemonium lord
174618 | Zig:25   | Killed Vedioc the pandemonium lord
174618 | Zig:25   | Killed Meoni the pandemonium lord
174618 | Zig:25   | Noticed Oxashiq the pandemonium lord
174618 | Zig:25   | Noticed Acvueroth the pandemonium lord
174618 | Zig:25   | Noticed Qoyvanys the pandemonium lord
174619 | Zig:25   | Killed Kaha the pandemonium lord
174619 | Zig:25   | Killed Mapowe the pandemonium lord
174619 | Zig:25   | Killed Noabun Qunk the pandemonium lord
174620 | Zig:25   | Killed Qoyvanys the pandemonium lord
174620 | Zig:25   | Noticed Gakekhli the pandemonium lord
174620 | Zig:25   | Killed Beiwi the pandemonium lord
174620 | Zig:25   | Noticed Udekkula the pandemonium lord
174621 | Zig:25   | Killed Ybitecle the pandemonium lord
174621 | Zig:25   | Killed Gakekhli the pandemonium lord
174621 | Zig:25   | Killed Udekkula the pandemonium lord
174621 | Zig:25   | Noticed Vel Boor the pandemonium lord
174622 | Zig:25   | Killed Vel Boor the pandemonium lord
174622 | Zig:25   | Killed Acvueroth the pandemonium lord
174622 | Zig:25   | Noticed Foiwiy the pandemonium lord
174625 | Zig:25   | Killed Oxashiq the pandemonium lord
174626 | Zig:25   | Noticed Samuho the pandemonium lord
174628 | Zig:25   | Killed Foiwiy the pandemonium lord
174628 | Zig:25   | Killed Xoph the pandemonium lord
174630 | Zig:25   | Killed Samuho the pandemonium lord
174744 | Zig:25   | Identified the staff of the Hammering Seeker {rF+ rN+ Fire}
174749 | Zig:25   | Identified the +9 plate armour "Monn" {rPois rN+ Dex-4}
174751 | Zig:25   | Identified the +2 scale mail of Fedhas's Supremacy {+Inv
                  | rF+}
174752 | Zig:25   | Identified the +10 mace of the Painted God {flame, rCorr
                  | Str+3}
174759 | Zig:25   | Identified the ring "Ziemalos" {rPois EV+5 Str+3 Slay+3}
174764 | Zig:25   | Identified the +4 sling "Higy" {flame, rElec}
174765 | Zig:25   | Identified the ring "Moxegant" {Wiz rElec}
174771 | Zig:25   | Identified the +8 chain mail of Words of Power {Rampage}
174778 | Zig:25   | Identified the ring of Duahel {Fire rN+ Str+2 Int-4}
174809 | Zig:25   | Identified the staff of Pestilence {rPois rF+ Int+3
                  | Alchemy}
174814 | Zig:25   | Identified the staff "Zokary" {^Fragile rCorr Int+5 SInv
                  | Conj}
175055 | Zig:26   | Entered Level 26 of a ziggurat
175557 | Zig:26   | Identified the +0 tower shield of the Raven {rN+ Str-5
                  | Int+6}
175562 | Zig:26   | Identified the amulet "Etaun" {-Cast Harm rF- Regen+ Dex+3
                  | SInv}
175670 | Zig:26   | Identified the +0 glaive of Wisdom {freeze, rElec rC- Will+
                  | Dex+2}
175688 | Zig:26   | Identified the +5 spear of Foufutt {venom, rC+ rCorr Str+4}
175713 | Zig:26   | Identified the ring of Codghix {rC- rN+ Will+ EV+5 Dex+3}
175717 | Zig:26   | Identified the staff of the Shifting Gods {rPois Str+2
                  | Alchemy}
175725 | Zig:26   | Identified the +2 triple sword "Bixzosk" {elec, rF+ Will+}
175735 | Zig:26   | Identified the +9 quarterstaff "Ygitidi" {flame, Int-3
                  | Dex+7}
175737 | Zig:26   | Identified the +1 chain mail "Tyalimio" {Fly rPois Str-4
                  | Dex+2}
175750 | Zig:27   | Entered Level 27 of a ziggurat
175818 | Zig:27   | Identified the +2 quarterstaff of War {drain, *Noise rPois
                  | rCorr Dex-2}
175827 | Zig:27   | Identified the staff "Myleziagh" {rN+ rCorr Str-5 Hexes
                  | Necro}
175843 | Zig:27   | Identified the ring of Kikhuvisk {rF+ rN+}
175848 | Zig:27   | Identified the +1 robe of Cajum {rN++ Int+2 Dex+3}
175851 | Zig:27   | Identified the ring of Mirth {Fire Dex+2}
175889 | Zig:27   | Identified the staff of the Disbelieving Gnat {rN+ Dex+4
                  | Necro}
175910 | Zig:27   | Identified the +0 helmet of Ru's Vengeance {Int+2}
175916 | Zig:27   | Identified the +10 battleaxe "Jataqapiu" {speed, Dex+2}
176451 | Depths:3 | Acquired 895 gold pieces
176452 | Depths:3 | Acquired 1087 gold pieces
176453 | Depths:3 | Acquired 850 gold pieces
176454 | Depths:3 | Acquired 756 gold pieces
176466 | Zig:1    | Entered Level 1 of a ziggurat
176466 | Zig:1    | Noticed a dread lich
176466 | Zig:1    | Noticed a dread lich
176467 | Zig:1    | Killed a dread lich
176468 | Zig:1    | Killed a dread lich
176486 | Zig:1    | Identified the +7 trident "Inerr" {speed, rC+}
176494 | Zig:1    | Identified the +3 quarterstaff "Noddual" {heavy, ^Contam
                  | rC+ rN++ Will+}
176515 | Zig:2    | Entered Level 2 of a ziggurat
176594 | Zig:3    | Entered Level 3 of a ziggurat
176595 | Zig:3    | Noticed Cunoq the pandemonium lord
176601 | Zig:3    | Killed Cunoq the pandemonium lord
176724 | Zig:4    | Entered Level 4 of a ziggurat
176861 | Zig:4    | Identified the +5 chain mail of Lanaemap {Will+++ Str-4
                  | SInv}
176892 | Zig:5    | Entered Level 5 of a ziggurat
176892 | Zig:5    | Noticed an ancient lich
176892 | Zig:5    | Noticed a dread lich
176893 | Zig:5    | Killed an ancient lich
176894 | Zig:5    | Noticed a dread lich
176894 | Zig:5    | Noticed a dread lich
176894 | Zig:5    | Noticed a dread lich
176894 | Zig:5    | Noticed a dread lich
176895 | Zig:5    | Killed a dread lich
176895 | Zig:5    | Killed a dread lich
176895 | Zig:5    | Killed a dread lich
176895 | Zig:5    | Noticed an ancient lich
176896 | Zig:5    | Noticed an ancient lich
176896 | Zig:5    | Noticed an ancient lich
176897 | Zig:5    | Killed a dread lich
176897 | Zig:5    | Killed an ancient lich
176897 | Zig:5    | Killed an ancient lich
176898 | Zig:5    | Killed a dread lich
176898 | Zig:5    | Killed an ancient lich
176967 | Zig:5    | Identified the +2 falchion "Notzaub" {distort, rC+ Int+4
                  | Dex+2}
177046 | Zig:6    | Entered Level 6 of a ziggurat
177046 | Zig:6    | Noticed an ancient lich
177046 | Zig:6    | Noticed an ancient lich
177046 | Zig:6    | Noticed an ancient lich
177046 | Zig:6    | Noticed an ancient lich
177046 | Zig:6    | Noticed a dread lich
177047 | Zig:6    | Killed an ancient lich
177048 | Zig:6    | Killed an ancient lich
177048 | Zig:6    | Killed a dread lich
177048 | Zig:6    | Killed an ancient lich
177048 | Zig:6    | Killed an ancient lich
177048 | Zig:6    | Noticed a dread lich
177050 | Zig:6    | Killed a dread lich
177051 | Zig:6    | Noticed an ancient lich
177053 | Zig:6    | Noticed an ancient lich
177053 | Zig:6    | Noticed a dread lich
177054 | Zig:6    | Killed an ancient lich
177054 | Zig:6    | Killed a dread lich
177055 | Zig:6    | Killed an ancient lich
177185 | Zig:6    | Identified the -2 buckler "Fimm" {rN+}
177195 | Zig:6    | Identified the +1 scale mail of True Grit {rElec Str+2}
177205 | Zig:6    | Identified the +9 quarterstaff "Tuasipt" {freeze, rPois
                  | Will+}
177206 | Zig:6    | Identified the staff "Lifebane" {rF+ rN++ Fire}
177238 | Zig:7    | Entered Level 7 of a ziggurat
177329 | Zig:7    | Identified the +6 scale mail of Daxzawou {Rampage Str-2
                  | Int+3 SInv}
177353 | Zig:7    | Identified the +1 dagger "Faretass" {freeze, rCorr}
177356 | Zig:7    | Identified the +9 great sword "Death Rattle" {chaos, Fly
                  | rElec Int+5 Dex-5}
177548 | Zig:8    | Entered Level 8 of a ziggurat
177619 | Zig:8    | Identified the ring of Mayklom {rPois rF+ Int+6}
177626 | Zig:8    | Identified the +1 pair of gloves "Etzuegue" {rElec rF+
                  | Int+3}
177630 | Zig:8    | Identified the staff of Bekhlolag {rPois rF+ Stlth+ Tloc
                  | Alchemy}
177745 | Zig:8    | Identified the +0 leather armour of the Kettle-Drum {rPois
                  | rN+ Stlth-}
177746 | Zig:8    | Identified the staff of Xeolim {rN+ Dex+6 Earth}
177755 | Zig:8    | Identified the +7 hand axe of Quantum Leap {drain, rF+}
177817 | Zig:9    | Entered Level 9 of a ziggurat
177817 | Zig:9    | Noticed a royal mummy
177817 | Zig:9    | Noticed a royal mummy
177817 | Zig:9    | Noticed a royal mummy
177817 | Zig:9    | Noticed a royal mummy
177817 | Zig:9    | Noticed a royal mummy
177817 | Zig:9    | Noticed a royal mummy
177817 | Zig:9    | Noticed a royal mummy
177818 | Zig:9    | Killed a royal mummy
177818 | Zig:9    | Killed a royal mummy
177818 | Zig:9    | Killed a royal mummy
177818 | Zig:9    | Killed a royal mummy
177818 | Zig:9    | Killed a royal mummy
177818 | Zig:9    | Killed a royal mummy
177819 | Zig:9    | Noticed a royal mummy
177819 | Zig:9    | Noticed a royal mummy
177819 | Zig:9    | Noticed a royal mummy
177820 | Zig:9    | Killed a royal mummy
177820 | Zig:9    | Killed a royal mummy
177820 | Zig:9    | Killed a royal mummy
177820 | Zig:9    | Noticed a royal mummy
177821 | Zig:9    | Noticed a royal mummy
177822 | Zig:9    | Killed a royal mummy
177824 | Zig:9    | Killed a royal mummy
177825 | Zig:9    | Noticed a royal mummy
177825 | Zig:9    | Noticed a royal mummy
177826 | Zig:9    | Killed a royal mummy
177826 | Zig:9    | Killed a royal mummy
177827 | Zig:9    | Noticed a royal mummy
177828 | Zig:9    | Killed a royal mummy
177829 | Zig:9    | Noticed a royal mummy
177829 | Zig:9    | Noticed a royal mummy
177831 | Zig:9    | Found the +4 robe of Augmentation {Str+4 Int+4 Dex+4}
177832 | Zig:9    | Killed a royal mummy
177834 | Zig:9    | Killed a royal mummy
177834 | Zig:9    | Killed a royal mummy
177955 | Zig:9    | Identified the +3 eudemon blade "Quusude" {holy, rN+ Str+3
                  | Int+4}
177957 | Zig:9    | Identified the +1 eudemon blade of Nor Vime {holy, ^Fragile
                  | rPois Str+9 Dex-2}
177959 | Zig:9    | Identified the +8 sling of the Loving Oracle {heavy, rF+
                  | rN+ SInv}
177988 | Zig:9    | Identified the +6 glaive "Peuqat" {protect, *Rage *Corrode
                  | rF+++ Dex+7}
178005 | Zig:9    | Identified the +4 trident "Urheduit" {vamp, rElec Int+4}
178222 | Zig:10   | Entered Level 10 of a ziggurat
178535 | Zig:10   | Identified the +5 ring mail of Zioxy {Slay+3}
178596 | Zig:10   | Identified the ring "Codghaysa" {rElec rCorr Str+4 SInv}
178598 | Zig:10   | Identified the staff "Rinuudd" {Dex+4 Summ Earth}
178602 | Zig:10   | Identified the +1 leather armour of the King of the Hill
                  | {+Inv Int+4 Dex-2}
178615 | Zig:10   | Identified the +3 leather armour of Zaceck {rElec Will++
                  | Stlth+}
178617 | Zig:10   | Identified the +2 rapier of Tuheuts {heavy, rC+ rN+ Will+
                  | Dex+3}
178630 | Zig:11   | Entered Level 11 of a ziggurat
178670 | Zig:11   | Killed a starcursed mass
178742 | Zig:11   | Identified the ring of Dalioxid {AC+4 Str+4}
179005 | Zig:12   | Entered Level 12 of a ziggurat
179007 | Zig:12   | Noticed a dread lich
179007 | Zig:12   | Noticed a dread lich
179007 | Zig:12   | Noticed an ancient lich
179007 | Zig:12   | Noticed a dread lich
179007 | Zig:12   | Noticed a dread lich
179007 | Zig:12   | Noticed an ancient lich
179008 | Zig:12   | Killed a dread lich
179008 | Zig:12   | Noticed an ancient lich
179009 | Zig:12   | Killed an ancient lich
179009 | Zig:12   | Killed an ancient lich
179010 | Zig:12   | Killed a dread lich
179010 | Zig:12   | Killed an ancient lich
179011 | Zig:12   | Noticed a dread lich
179011 | Zig:12   | Noticed an ancient lich
179013 | Zig:12   | Killed a dread lich
179013 | Zig:12   | Killed a dread lich
179013 | Zig:12   | Killed a dread lich
179013 | Zig:12   | Killed an ancient lich
179013 | Zig:12   | Noticed a dread lich
179014 | Zig:12   | Noticed an ancient lich
179014 | Zig:12   | Noticed an ancient lich
179014 | Zig:12   | Noticed a dread lich
179014 | Zig:12   | Noticed a dread lich
179014 | Zig:12   | Noticed an ancient lich
179015 | Zig:12   | Killed a dread lich
179015 | Zig:12   | Killed an ancient lich
179015 | Zig:12   | Killed an ancient lich
179015 | Zig:12   | Killed an ancient lich
179016 | Zig:12   | Killed a dread lich
179016 | Zig:12   | Killed a dread lich
179016 | Zig:12   | Noticed a dread lich
179017 | Zig:12   | Noticed a dread lich
179017 | Zig:12   | Noticed an ancient lich
179017 | Zig:12   | Noticed a dread lich
179018 | Zig:12   | Killed a dread lich
179018 | Zig:12   | Killed a dread lich
179019 | Zig:12   | Killed a dread lich
179019 | Zig:12   | Killed an ancient lich
179019 | Zig:12   | Noticed an ancient lich
179019 | Zig:12   | Noticed an ancient lich
179020 | Zig:12   | Noticed a dread lich
179020 | Zig:12   | Noticed a dread lich
179021 | Zig:12   | Killed a dread lich
179021 | Zig:12   | Killed a dread lich
179022 | Zig:12   | Noticed an ancient lich
179022 | Zig:12   | Noticed an ancient lich
179022 | Zig:12   | Noticed a dread lich
179023 | Zig:12   | Noticed an ancient lich
179023 | Zig:12   | Killed an ancient lich
179023 | Zig:12   | Killed an ancient lich
179023 | Zig:12   | Killed an ancient lich
179025 | Zig:12   | Noticed a dread lich
179025 | Zig:12   | Killed an ancient lich
179026 | Zig:12   | Killed an ancient lich
179026 | Zig:12   | Killed a dread lich
179026 | Zig:12   | Noticed an ancient lich
179027 | Zig:12   | Noticed a dread lich
179028 | Zig:12   | Killed a dread lich
179028 | Zig:12   | Killed an ancient lich
179028 | Zig:12   | Killed a dread lich
179259 | Zig:12   | Identified the ring "Luagopp" {rF+ rC+ Str+3}
179268 | Zig:12   | Identified the ring "Kybiate" {rF+ rN++ AC+4}
179270 | Zig:12   | Identified the +6 quick blade of Ubiquitous Prudence {pain,
                  | rF+ Will++ Str+2}
179272 | Zig:12   | Identified the +4 battleaxe of Distraction {heavy, Stlth+}
179278 | Zig:12   | Identified the +6 scale mail of the Heavens {rN+ SInv}
179316 | Zig:13   | Entered Level 13 of a ziggurat
179321 | Zig:13   | Identified the +2 tower shield "Ricop" {Fly rF+ Slay+2}
179323 | Zig:13   | Noticed a seraph
179325 | Zig:13   | Noticed a seraph
179327 | Zig:13   | Killed a seraph
179329 | Zig:13   | Killed a seraph
179333 | Zig:13   | Noticed a seraph
179333 | Zig:13   | Identified the +10 tower shield of Tok Geakk {rElec}
179337 | Zig:13   | Killed a seraph
179339 | Zig:13   | Identified the +0 buckler of Reasonable Curiosity {Dex+5
                  | Slay-4}
179349 | Zig:13   | Identified the +5 tower shield "Fovuprud" {rC++ Slay+2}
179454 | Zig:13   | Identified the +0 plate armour of Eternal Night {Rampage
                  | +Blink rC- Str+5}
179455 | Zig:13   | Identified the +3 dire flail of Malum In Se {flame, rC+
                  | Str+3 Int-5}
179457 | Zig:13   | Identified the +1 short sword "Z" {venom, rC++ Stlth+}
179470 | Zig:13   | Identified the +1 rapier of the Land of Plenty {drain,
                  | Int+4}
179678 | Zig:13   | Identified the +1 pair of boots of Gozag's Grace {Harm
                  | rElec Will+}
179690 | Zig:14   | Entered Level 14 of a ziggurat
179693 | Zig:14   | Noticed a dread lich
179695 | Zig:14   | Killed a dread lich
179702 | Zig:14   | Noticed a dread lich
179702 | Zig:14   | Killed a dread lich
179746 | Zig:14   | Killed a starcursed mass
180068 | Zig:14   | Identified the +0 pearl dragon scales "Viudiest" {rN+
                  | rCorr}
180093 | Zig:14   | Identified the +1 morningstar "Imp's Demise" {drain, rF+
                  | rN+++ Int-3 Dex+8}
180129 | Zig:15   | Entered Level 15 of a ziggurat
180134 | Zig:15   | Noticed a dread lich
180134 | Zig:15   | Noticed an ancient lich
180135 | Zig:15   | Noticed a dread lich
180135 | Zig:15   | Noticed a dread lich
180135 | Zig:15   | Noticed an ancient lich
180135 | Zig:15   | Killed a dread lich
180135 | Zig:15   | Killed an ancient lich
180135 | Zig:15   | Killed an ancient lich
180135 | Zig:15   | Killed a dread lich
180136 | Zig:15   | Noticed an ancient lich
180136 | Zig:15   | Noticed an ancient lich
180136 | Zig:15   | Noticed a dread lich
180136 | Zig:15   | Noticed a dread lich
180137 | Zig:15   | Killed a dread lich
180137 | Zig:15   | Killed a dread lich
180137 | Zig:15   | Noticed an ancient lich
180138 | Zig:15   | Killed an ancient lich
180138 | Zig:15   | Killed an ancient lich
180138 | Zig:15   | Killed a dread lich
180139 | Zig:15   | Noticed a dread lich
180139 | Zig:15   | Killed an ancient lich
180139 | Zig:15   | Killed a dread lich
180140 | Zig:15   | Noticed a dread lich
180141 | Zig:15   | Noticed an ancient lich
180141 | Zig:15   | Killed an ancient lich
180141 | Zig:15   | Noticed a dread lich
180143 | Zig:15   | Noticed an ancient lich
180143 | Zig:15   | Noticed a dread lich
180143 | Zig:15   | Noticed an ancient lich
180143 | Zig:15   | Noticed a dread lich
180144 | Zig:15   | Killed a dread lich
180144 | Zig:15   | Killed an ancient lich
180145 | Zig:15   | Killed a dread lich
180145 | Zig:15   | Killed a dread lich
180145 | Zig:15   | Killed an ancient lich
180145 | Zig:15   | Noticed a dread lich
180145 | Zig:15   | Noticed an ancient lich
180146 | Zig:15   | Noticed an ancient lich
180146 | Zig:15   | Noticed a dread lich
180146 | Zig:15   | Noticed an ancient lich
180146 | Zig:15   | Noticed a dread lich
180146 | Zig:15   | Noticed an ancient lich
180147 | Zig:15   | Killed an ancient lich
180147 | Zig:15   | Killed a dread lich
180147 | Zig:15   | Killed an ancient lich
180147 | Zig:15   | Killed an ancient lich
180147 | Zig:15   | Killed a dread lich
180148 | Zig:15   | Killed a dread lich
180148 | Zig:15   | Killed an ancient lich
180148 | Zig:15   | Noticed a dread lich
180148 | Zig:15   | Noticed an ancient lich
180150 | Zig:15   | Killed a dread lich
180150 | Zig:15   | Killed an ancient lich
180151 | Zig:15   | Killed a dread lich
180154 | Zig:15   | Noticed a dread lich
180155 | Zig:15   | Noticed an ancient lich
180155 | Zig:15   | Noticed a dread lich
180156 | Zig:15   | Killed a dread lich
180157 | Zig:15   | Killed an ancient lich
180157 | Zig:15   | Killed a dread lich
180157 | Zig:15   | Noticed an ancient lich
180157 | Zig:15   | Noticed an ancient lich
180158 | Zig:15   | Noticed an ancient lich
180160 | Zig:15   | Noticed an ancient lich
180160 | Zig:15   | Killed an ancient lich
180160 | Zig:15   | Killed an ancient lich
180161 | Zig:15   | Noticed an ancient lich
180162 | Zig:15   | Noticed an ancient lich
180162 | Zig:15   | Killed an ancient lich
180162 | Zig:15   | Killed an ancient lich
180162 | Zig:15   | Killed an ancient lich
180163 | Zig:15   | Killed an ancient lich
180170 | Zig:15   | Found the +1 robe of Vines {NoPotionHeal Regen++++}
180223 | Zig:15   | Identified the staff "Meixyoc" {rElec rC- Will+++ rCorr
                  | Air}
180235 | Zig:15   | Identified the +1 leather armour "Ydatops" {Slay+2}
180236 | Zig:15   | Identified the staff of the Blowfly {rElec rPois rCorr
                  | Str+4 Stlth- Air}
180237 | Zig:15   | Identified the +8 plate armour of Zovarr {Harm Dex+5}
180242 | Zig:15   | Identified the +1 ring mail of the Sky {Will+}
180506 | Zig:16   | Entered Level 16 of a ziggurat
180506 | Zig:16   | Noticed a juggernaut
180506 | Zig:16   | Noticed a juggernaut
180506 | Zig:16   | Noticed a juggernaut
180506 | Zig:16   | Noticed a juggernaut
180506 | Zig:16   | Noticed a juggernaut
180506 | Zig:16   | Noticed a juggernaut
180507 | Zig:16   | Noticed a juggernaut
180507 | Zig:16   | Noticed a juggernaut
180509 | Zig:16   | Killed a juggernaut
180509 | Zig:16   | Killed a juggernaut
180509 | Zig:16   | Killed a juggernaut
180509 | Zig:16   | Killed a juggernaut
180509 | Zig:16   | Killed a juggernaut
180509 | Zig:16   | Killed a juggernaut
180511 | Zig:16   | Noticed a juggernaut
180512 | Zig:16   | Noticed a juggernaut
180512 | Zig:16   | Noticed a juggernaut
180513 | Zig:16   | Killed a juggernaut
180513 | Zig:16   | Killed a juggernaut
180513 | Zig:16   | Killed a juggernaut
180515 | Zig:16   | Killed a juggernaut
180515 | Zig:16   | Killed a juggernaut
180515 | Zig:16   | Noticed a juggernaut
180515 | Zig:16   | Noticed a juggernaut
180516 | Zig:16   | Noticed a juggernaut
180517 | Zig:16   | Noticed a juggernaut
180517 | Zig:16   | Killed a juggernaut
180518 | Zig:16   | Noticed a juggernaut
180518 | Zig:16   | Noticed a juggernaut
180519 | Zig:16   | Killed a juggernaut
180519 | Zig:16   | Killed a juggernaut
180519 | Zig:16   | Killed a juggernaut
180521 | Zig:16   | Killed a juggernaut
180521 | Zig:16   | Killed a juggernaut
180523 | Zig:16   | Noticed a juggernaut
180524 | Zig:16   | Noticed a juggernaut
180525 | Zig:16   | Killed a juggernaut
180526 | Zig:16   | Noticed a juggernaut
180527 | Zig:16   | Killed a juggernaut
180529 | Zig:16   | Killed a juggernaut
181056 | Zig:16   | Identified the +12 short sword of Inflation {pain, rC++}
181065 | Zig:16   | Identified the staff "Koj Ket" {rF+ Int+3 Fire}
181100 | Zig:16   | Identified the +2 plate armour of Lugonu's Fury {rF- Str+3
                  | SInv}
181152 | Zig:17   | Entered Level 17 of a ziggurat
181152 | Zig:17   | Noticed a royal mummy
181152 | Zig:17   | Noticed a royal mummy
181152 | Zig:17   | Noticed a royal mummy
181152 | Zig:17   | Noticed a royal mummy
181152 | Zig:17   | Noticed a royal mummy
181152 | Zig:17   | Noticed a royal mummy
181152 | Zig:17   | Noticed a royal mummy
181152 | Zig:17   | Noticed a royal mummy
181152 | Zig:17   | Noticed a royal mummy
181152 | Zig:17   | Noticed a royal mummy
181152 | Zig:17   | Noticed a royal mummy
181152 | Zig:17   | Noticed a royal mummy
181153 | Zig:17   | Killed a royal mummy
181153 | Zig:17   | Killed a royal mummy
181153 | Zig:17   | Killed a royal mummy
181153 | Zig:17   | Killed a royal mummy
181153 | Zig:17   | Killed a royal mummy
181153 | Zig:17   | Killed a royal mummy
181153 | Zig:17   | Killed a royal mummy
181153 | Zig:17   | Killed a royal mummy
181153 | Zig:17   | Killed a royal mummy
181153 | Zig:17   | Killed a royal mummy
181153 | Zig:17   | Killed a royal mummy
181153 | Zig:17   | Lost dexterity.
181156 | Zig:17   | Killed a royal mummy
181156 | Zig:17   | Noticed a royal mummy
181157 | Zig:17   | Noticed a royal mummy
181158 | Zig:17   | Killed a royal mummy
181158 | Zig:17   | Noticed a royal mummy
181158 | Zig:17   | Noticed a royal mummy
181158 | Zig:17   | Noticed a royal mummy
181159 | Zig:17   | Noticed a royal mummy
181159 | Zig:17   | Noticed a royal mummy
181159 | Zig:17   | Killed a royal mummy
181160 | Zig:17   | Noticed an ancient lich
181160 | Zig:17   | Noticed a royal mummy
181160 | Zig:17   | Noticed a royal mummy
181161 | Zig:17   | Killed a royal mummy
181161 | Zig:17   | Killed a royal mummy
181161 | Zig:17   | Killed a royal mummy
181161 | Zig:17   | Killed a royal mummy
181162 | Zig:17   | Killed a royal mummy
181162 | Zig:17   | Killed a royal mummy
181162 | Zig:17   | Killed a royal mummy
181162 | Zig:17   | Killed an ancient lich
181162 | Zig:17   | Noticed a royal mummy
181164 | Zig:17   | Noticed a royal mummy
181164 | Zig:17   | Noticed a royal mummy
181166 | Zig:17   | Killed a royal mummy
181166 | Zig:17   | Noticed a royal mummy
181166 | Zig:17   | Noticed a royal mummy
181168 | Zig:17   | Noticed a royal mummy
181168 | Zig:17   | Noticed a royal mummy
181169 | Zig:17   | Noticed a royal mummy
181170 | Zig:17   | Noticed a royal mummy
181170 | Zig:17   | Killed a royal mummy
181170 | Zig:17   | Killed a royal mummy
181171 | Zig:17   | Killed a royal mummy
181171 | Zig:17   | Killed a royal mummy
181171 | Zig:17   | Noticed a royal mummy
181171 | Zig:17   | Noticed a royal mummy
181171 | Zig:17   | Noticed a royal mummy
181172 | Zig:17   | Noticed a royal mummy
181173 | Zig:17   | Killed a royal mummy
181173 | Zig:17   | Killed a royal mummy
181173 | Zig:17   | Killed a royal mummy
181174 | Zig:17   | Noticed a royal mummy
181174 | Zig:17   | Noticed a royal mummy
181175 | Zig:17   | Killed a royal mummy
181175 | Zig:17   | Killed a royal mummy
181175 | Zig:17   | Killed a royal mummy
181175 | Zig:17   | Killed a royal mummy
181175 | Zig:17   | Noticed a royal mummy
181176 | Zig:17   | Noticed a royal mummy
181176 | Zig:17   | Noticed a royal mummy
181176 | Zig:17   | Noticed a royal mummy
181178 | Zig:17   | Noticed a royal mummy
181178 | Zig:17   | Noticed a royal mummy
181178 | Zig:17   | Killed a royal mummy
181179 | Zig:17   | Killed a royal mummy
181179 | Zig:17   | Killed a royal mummy
181179 | Zig:17   | Killed a royal mummy
181179 | Zig:17   | Killed a royal mummy
181180 | Zig:17   | Noticed a royal mummy
181180 | Zig:17   | Noticed a royal mummy
181180 | Zig:17   | Killed a royal mummy
181181 | Zig:17   | Killed a royal mummy
181181 | Zig:17   | Killed a royal mummy
181182 | Zig:17   | Noticed a royal mummy
181183 | Zig:17   | Killed a royal mummy
181183 | Zig:17   | Noticed a royal mummy
181184 | Zig:17   | Noticed a royal mummy
181184 | Zig:17   | Noticed a royal mummy
181184 | Zig:17   | Killed a royal mummy
181185 | Zig:17   | Killed a royal mummy
181185 | Zig:17   | Killed a royal mummy
181185 | Zig:17   | Noticed a royal mummy
181187 | Zig:17   | Killed a royal mummy
181187 | Zig:17   | Killed a royal mummy
181189 | Zig:17   | Killed a royal mummy
181190 | Zig:17   | Killed a royal mummy
181190 | Zig:17   | Noticed a royal mummy
181193 | Zig:17   | Noticed a royal mummy
181194 | Zig:17   | Noticed a royal mummy
181196 | Zig:17   | Killed a royal mummy
181198 | Zig:17   | Killed a royal mummy
181200 | Zig:17   | Killed a royal mummy
181243 | Zig:17   | Identified the +5 halberd of Analysis {heavy, Will+ Stlth+}
181250 | Zig:17   | Identified the +0 morningstar "Dizea" {venom, Fly rPois
                  | Int+3 SInv}
181273 | Zig:17   | Identified the +0 robe "Zurchafyri" {+Blink Will+ Str+5
                  | Int-2}
181841 | Zig:18   | Entered Level 18 of a ziggurat
182300 | Zig:18   | Identified the +0 chain mail "Fatsa" {^Contam +Inv rC+}
182302 | Zig:18   | Identified the +2 leather armour of Incorporation {Rampage
                  | rC+ Int-5}
182339 | Zig:18   | Identified the staff "Fatsot Zumen" {^Drain rPois rF+++ rC-
                  | Earth}
182341 | Zig:18   | Identified the +0 ring mail "Teibles" {Harm}
182353 | Zig:18   | Identified the +3 leather armour of the Dozen Violins {Harm
                  | Rampage rElec Int+3}
182374 | Zig:18   | Identified the +6 spear "Hellblazer" {holy, Fly rPois rCorr
                  | Str+2}
182382 | Zig:18   | Identified the +0 scale mail of Apathy {Dex+2}
182394 | Zig:18   | Identified the +1 leather armour "Wijutt" {Dex+4}
182444 | Zig:19   | Entered Level 19 of a ziggurat
182449 | Zig:19   | Paralysed by an air elemental for 1 turns
182453 | Zig:19   | Paralysed by an air elemental for 1 turns
182470 | Zig:19   | Paralysed by an air elemental for 1 turns
182486 | Zig:19   | Paralysed by an air elemental for 1 turns
182544 | Zig:19   | Identified the +8 war axe of the Gnat {freeze, Dex+5}
182552 | Zig:19   | Identified the +9 quarterstaff of the Fortifying Gods
                  | {flame, rF+}
182557 | Zig:19   | Identified the +7 spear "Rine" {venom, SInv}
182559 | Zig:19   | Identified the +6 sling of Xoph {heavy, rN++ Will- Str+2}
182579 | Zig:19   | Identified the +5 mace of Cenkit {vamp, rF+ rC+}
182584 | Zig:19   | Identified the +5 longbow "Qaastion" {elec, *Corrode Str+5
                  | Int-2 Stlth+}
183152 | Zig:20   | Entered Level 20 of a ziggurat
183160 | Zig:20   | Noticed an ancient lich
183161 | Zig:20   | Noticed an ancient lich
183162 | Zig:20   | Noticed an ancient lich
183163 | Zig:20   | Killed an ancient lich
183163 | Zig:20   | Killed an ancient lich
183163 | Zig:20   | Killed an ancient lich
183164 | Zig:20   | Noticed an ancient lich
183164 | Zig:20   | Noticed a dread lich
183165 | Zig:20   | Noticed an ancient lich
183165 | Zig:20   | Killed an ancient lich
183167 | Zig:20   | Killed a dread lich
183167 | Zig:20   | Killed an ancient lich
183167 | Zig:20   | Noticed a dread lich
183167 | Zig:20   | Noticed a dread lich
183167 | Zig:20   | Noticed an ancient lich
183168 | Zig:20   | Noticed a dread lich
183168 | Zig:20   | Noticed a dread lich
183168 | Zig:20   | Noticed a dread lich
183169 | Zig:20   | Killed a dread lich
183169 | Zig:20   | Killed a dread lich
183169 | Zig:20   | Noticed an ancient lich
183170 | Zig:20   | Killed a dread lich
183171 | Zig:20   | Noticed an ancient lich
183171 | Zig:20   | Noticed a dread lich
183172 | Zig:20   | Noticed an ancient lich
183172 | Zig:20   | Killed an ancient lich
183172 | Zig:20   | Killed an ancient lich
183172 | Zig:20   | Killed a dread lich
183172 | Zig:20   | Killed a dread lich
183172 | Zig:20   | Killed a dread lich
183173 | Zig:20   | Killed an ancient lich
183173 | Zig:20   | Killed an ancient lich
183174 | Zig:20   | Noticed an ancient lich
183174 | Zig:20   | Noticed an ancient lich
183175 | Zig:20   | Killed an ancient lich
183175 | Zig:20   | Noticed an ancient lich
183175 | Zig:20   | Noticed a dread lich
183175 | Zig:20   | Noticed a dread lich
183176 | Zig:20   | Noticed a dread lich
183176 | Zig:20   | Noticed an ancient lich
183176 | Zig:20   | Noticed an ancient lich
183177 | Zig:20   | Killed an ancient lich
183177 | Zig:20   | Killed a dread lich
183177 | Zig:20   | Killed an ancient lich
183177 | Zig:20   | Killed a dread lich
183177 | Zig:20   | Killed an ancient lich
183177 | Zig:20   | Noticed an ancient lich
183177 | Zig:20   | Noticed an ancient lich
183178 | Zig:20   | Killed an ancient lich
183178 | Zig:20   | Killed an ancient lich
183178 | Zig:20   | Killed an ancient lich
183178 | Zig:20   | Noticed an ancient lich
183178 | Zig:20   | Noticed a dread lich
183178 | Zig:20   | Noticed an ancient lich
183179 | Zig:20   | Noticed a dread lich
183179 | Zig:20   | Noticed a dread lich
183179 | Zig:20   | Noticed a dread lich
183179 | Zig:20   | Noticed a dread lich
183180 | Zig:20   | Killed a dread lich
183180 | Zig:20   | Killed a dread lich
183180 | Zig:20   | Killed a dread lich
183181 | Zig:20   | Noticed an ancient lich
183181 | Zig:20   | Noticed an ancient lich
183181 | Zig:20   | Noticed a dread lich
183181 | Zig:20   | Noticed an ancient lich
183181 | Zig:20   | Noticed an ancient lich
183182 | Zig:20   | Killed an ancient lich
183182 | Zig:20   | Killed a dread lich
183182 | Zig:20   | Killed an ancient lich
183182 | Zig:20   | Killed a dread lich
183182 | Zig:20   | Killed a dread lich
183182 | Zig:20   | Killed an ancient lich
183182 | Zig:20   | Killed an ancient lich
183182 | Zig:20   | Killed an ancient lich
183183 | Zig:20   | Killed a dread lich
183183 | Zig:20   | Killed an ancient lich
183184 | Zig:20   | Noticed an ancient lich
183185 | Zig:20   | Noticed an ancient lich
183185 | Zig:20   | Killed an ancient lich
183186 | Zig:20   | Killed an ancient lich
183186 | Zig:20   | Noticed an ancient lich
183187 | Zig:20   | Noticed a dread lich
183187 | Zig:20   | Noticed a dread lich
183190 | Zig:20   | Noticed an ancient lich
183191 | Zig:20   | Killed an ancient lich
183191 | Zig:20   | Killed a dread lich
183191 | Zig:20   | Killed a dread lich
183191 | Zig:20   | Killed an ancient lich
183193 | Zig:20   | Noticed an ancient lich
183194 | Zig:20   | Killed an ancient lich
183212 | Zig:20   | Identified the +1 chain mail "Otitus" {rC++ Regen+ rCorr}
183214 | Zig:20   | Identified the +7 trident "Saxyng" {venom, rN+}
183216 | Zig:20   | Identified the +0 pair of gloves "Taod" {rElec Str+4 Dex+2}
183218 | Zig:20   | Identified the dragon-blood talisman of Hocorch {rN+ Int+2
                  | Stlth+}
183242 | Zig:20   | Identified the +3 whip of Corporal Punishment {flame, Fly
                  | rN++ Will++}
183654 | Zig:21   | Entered Level 21 of a ziggurat
183712 | Zig:21   | Identified the +8 quarterstaff of Abomination {drain,
                  | Str+5}
183741 | Zig:21   | Identified the amulet of Rofaiz {RegenMP rC+ Str+2}
183745 | Zig:21   | Identified the +6 ice dragon scales of Eternal Night {-Cast
                  | Fly rF- rC++ rN+}
183746 | Zig:21   | Identified the storm talisman "Libirod" {Str+3}
183747 | Zig:21   | Identified the +6 hand axe of Hudd {freeze, rPois rF- Str+8
                  | Dex-2}
183750 | Zig:21   | Identified the staff of the Seven Artisans {rElec rPois
                  | Str+3 Air}
183758 | Zig:21   | Identified the +7 spear "Kuecruezu" {freeze, rElec}
183768 | Zig:21   | Identified the ring "Amnenoli" {Dex+3 SInv}
183773 | Zig:21   | Identified the +4 short sword of Fevieseqe {heavy, rPois
                  | Str-4 Int+3 SInv}
184255 | Zig:22   | Entered Level 22 of a ziggurat
184672 | Zig:22   | Identified the +2 ring mail of the Blue Skies {Rampage
                  | rPois Dex+3}
184674 | Zig:22   | Identified the +0 leather armour "Vipus" {Dex+3}
184688 | Zig:22   | Identified the +1 quarterstaff of In Flagrante Delicto
                  | {flame, rC+ Stlth+}
184756 | Zig:23   | Entered Level 23 of a ziggurat
184841 | Zig:23   | Identified the +6 flail of Watchfulness {heavy, ^Drain rF+
                  | Will++}
184851 | Zig:23   | Identified the ring "Fovvomp" {rF+ MP+9}
184853 | Zig:23   | Identified the staff of Gallantry {rF++ rC+ rN+ Necro}
184854 | Zig:23   | Identified the staff "Fux Kirr" {rPois rN+ Alchemy}
184862 | Zig:23   | Identified the ring "Ehyalenoz" {rCorr Str+5}
184884 | Zig:23   | Identified the +5 halberd "Bygi" {flame, Int+4}
184886 | Zig:23   | Identified the staff "Jelly's Foe" {rN+ Will- rCorr Int+4
                  | Dex+3 Necro}
185290 | Zig:24   | Entered Level 24 of a ziggurat
185778 | Zig:24   | Identified the staff "Esuc" {rF+++ Will++ Conj Necro}
185816 | Zig:24   | Identified the +7 great sword of the Hummingbird {freeze,
                  | Dex+3}
185820 | Zig:24   | Identified the staff of the Queen {Fly rC+ Will- rCorr
                  | Int+5 Ice}
185834 | Zig:24   | Identified the +8 shortbow "Dosmunim" {drain, rC+ rCorr}
185836 | Zig:24   | Identified the ring of Otugoll {rC+ rN+ MP+9 AC+4 Dex+4}
185844 | Zig:24   | Identified the +5 trident of the Burning Gods {protect,
                  | *Noise rF+ Str+2}
185845 | Zig:24   | Identified the +1 leather armour of Ennui {rElec rN+ Int-2
                  | Dex+3}
185854 | Zig:24   | Identified the ring of Surprise {AC+4 Int+3}
185939 | Zig:25   | Entered Level 25 of a ziggurat
186019 | Zig:25   | Identified the +10 flail "Killer Bee's Foe" {elec, ^Contam
                  | rElec Int-4 Stlth+}
186024 | Zig:25   | Identified the amulet "Xuwov" {Faith rF+}
186038 | Zig:25   | Identified the +9 short sword of Irritation {speed, rElec
                  | Will+}
186040 | Zig:25   | Identified the +9 falchion of Woe {venom, *Slow Fly rPois
                  | Will++}
186048 | Zig:25   | Identified the +8 orcbow of Vengeance {drain, rF- rCorr
                  | Dex+2 Stlth+}
186049 | Zig:25   | Identified the +2 ring mail of the Orcish Mines {^Drain rN+
                  | rCorr}
186059 | Zig:25   | Identified the +3 mace "Dawn" {drain, *Noise rF+ Str+2
                  | Stlth+}
186082 | Zig:25   | Identified the +0 chain mail of Noneejal {Regen+ Int+3}
186084 | Zig:25   | Identified the +1 scimitar of Grandeur {protect, rElec rN+
                  | Str-4}
186644 | Zig:25   | Identified the +2 dagger "Uhas" {drain, ^Drain rC- Str+6
                  | Stlth+}
186711 | Zig:26   | Entered Level 26 of a ziggurat
186721 | Zig:26   | Noticed Rips the pandemonium lord
186721 | Zig:26   | Noticed Foamnyti the pandemonium lord
186722 | Zig:26   | Noticed Ideoxiycy the pandemonium lord
186723 | Zig:26   | Noticed Nyhec the pandemonium lord
186724 | Zig:26   | Noticed Cuifrisom the pandemonium lord
186725 | Zig:26   | Noticed Nerphac the pandemonium lord
186725 | Zig:26   | Noticed Kohih the pandemonium lord
186725 | Zig:26   | Noticed Luabon the pandemonium lord
186725 | Zig:26   | Noticed Weut the pandemonium lord
186725 | Zig:26   | Noticed Axkau the pandemonium lord
186726 | Zig:26   | Noticed Quz Yzahonn the pandemonium lord
186726 | Zig:26   | Noticed Ehixzorr the pandemonium lord
186726 | Zig:26   | Noticed Vuzabro the pandemonium lord
186727 | Zig:26   | Killed Nyhec the pandemonium lord
186728 | Zig:26   | Killed Foamnyti the pandemonium lord
186728 | Zig:26   | Killed Luabon the pandemonium lord
186728 | Zig:26   | Noticed Ditir the pandemonium lord
186728 | Zig:26   | Noticed Taix the pandemonium lord
186728 | Zig:26   | Noticed Ugeliv the pandemonium lord
186728 | Zig:26   | Noticed Dimif the pandemonium lord
186729 | Zig:26   | Killed Nerphac the pandemonium lord
186729 | Zig:26   | Killed Ideoxiycy the pandemonium lord
186729 | Zig:26   | Noticed Gorum the pandemonium lord
186729 | Zig:26   | Noticed Uroezu Jowni the pandemonium lord
186730 | Zig:26   | Killed Rips the pandemonium lord
186730 | Zig:26   | Killed Ehixzorr the pandemonium lord
186730 | Zig:26   | Killed Quz Yzahonn the pandemonium lord
186730 | Zig:26   | Killed Cuifrisom the pandemonium lord
186730 | Zig:26   | Killed Kohih the pandemonium lord
186730 | Zig:26   | Killed Vuzabro the pandemonium lord
186730 | Zig:26   | Killed Weut the pandemonium lord
186730 | Zig:26   | Noticed Sos Xes the pandemonium lord
186731 | Zig:26   | Killed Taix the pandemonium lord
186731 | Zig:26   | Noticed Licuyr Ikha the pandemonium lord
186731 | Zig:26   | Killed Gorum the pandemonium lord
186731 | Zig:26   | Noticed Fuqugh the pandemonium lord
186732 | Zig:26   | Killed Dimif the pandemonium lord
186732 | Zig:26   | Killed Axkau the pandemonium lord
186732 | Zig:26   | Noticed Jizxamar the pandemonium lord
186732 | Zig:26   | Noticed Goapil the pandemonium lord
186733 | Zig:26   | Killed Ditir the pandemonium lord
186733 | Zig:26   | Killed Ugeliv the pandemonium lord
186733 | Zig:26   | Killed Uroezu Jowni the pandemonium lord
186733 | Zig:26   | Noticed Wixaxol the pandemonium lord
186733 | Zig:26   | Noticed Bar Apry the pandemonium lord
186733 | Zig:26   | Noticed Kalito the pandemonium lord
186733 | Zig:26   | Noticed Cixuyd the pandemonium lord
186733 | Zig:26   | Noticed Rimis the pandemonium lord
186733 | Zig:26   | Noticed Oqin the pandemonium lord
186734 | Zig:26   | Killed Sos Xes the pandemonium lord
186734 | Zig:26   | Noticed Laisuapi the pandemonium lord
186734 | Zig:26   | Noticed Osyas the pandemonium lord
186734 | Zig:26   | Noticed Jofrotucea the pandemonium lord
186734 | Zig:26   | Noticed Cuibut Jitt the pandemonium lord
186735 | Zig:26   | Killed Bar Apry the pandemonium lord
186735 | Zig:26   | Killed Licuyr Ikha the pandemonium lord
186735 | Zig:26   | Noticed Jeab the pandemonium lord
186736 | Zig:26   | Killed Kalito the pandemonium lord
186736 | Zig:26   | Killed Jizxamar the pandemonium lord
186736 | Zig:26   | Killed Cixuyd the pandemonium lord
186736 | Zig:26   | Killed Oqin the pandemonium lord
186736 | Zig:26   | Killed Fuqugh the pandemonium lord
186736 | Zig:26   | Noticed Icvex the pandemonium lord
186736 | Zig:26   | Killed Pomosam the pandemonium lord
186737 | Zig:26   | Killed Rimis the pandemonium lord
186737 | Zig:26   | Killed Jofrotucea the pandemonium lord
186737 | Zig:26   | Noticed Mufrud the pandemonium lord
186737 | Zig:26   | Noticed Xigeint the pandemonium lord
186737 | Zig:26   | Noticed Arrer the pandemonium lord
186738 | Zig:26   | Killed Osyas the pandemonium lord
186738 | Zig:26   | Killed Mufrud the pandemonium lord
186739 | Zig:26   | Killed Goapil the pandemonium lord
186739 | Zig:26   | Noticed Xel Teuciha the pandemonium lord
186739 | Zig:26   | Noticed Ynell the pandemonium lord
186739 | Zig:26   | Noticed Mialimip the pandemonium lord
186739 | Zig:26   | Noticed Guoh the pandemonium lord
186739 | Zig:26   | Noticed Facrogorch the pandemonium lord
186740 | Zig:26   | Killed Jeab the pandemonium lord
186740 | Zig:26   | Killed Mialimip the pandemonium lord
186740 | Zig:26   | Killed Cuibut Jitt the pandemonium lord
186740 | Zig:26   | Killed Laisuapi the pandemonium lord
186740 | Zig:26   | Noticed Tutol the pandemonium lord
186740 | Zig:26   | Noticed Enuhi the pandemonium lord
186741 | Zig:26   | Killed Ynell the pandemonium lord
186741 | Zig:26   | Killed Icvex the pandemonium lord
186741 | Zig:26   | Noticed Daxiuh the pandemonium lord
186741 | Zig:26   | Noticed Qabo the pandemonium lord
186741 | Zig:26   | Noticed Ocze Rem the pandemonium lord
186741 | Zig:26   | Noticed Biogeam the pandemonium lord
186741 | Zig:26   | Noticed Kicor the pandemonium lord
186741 | Zig:26   | Noticed Zuygik the pandemonium lord
186742 | Zig:26   | Killed Xel Teuciha the pandemonium lord
186742 | Zig:26   | Killed Enuhi the pandemonium lord
186742 | Zig:26   | Noticed Iduupa the pandemonium lord
186742 | Zig:26   | Noticed Efiemn the pandemonium lord
186742 | Zig:26   | Killed Arrer the pandemonium lord
186742 | Zig:26   | Noticed Renawn the pandemonium lord
186743 | Zig:26   | Noticed Uveng the pandemonium lord
186743 | Zig:26   | Noticed Toucs the pandemonium lord
186743 | Zig:26   | Noticed Veffe the pandemonium lord
186744 | Zig:26   | Killed Wixaxol the pandemonium lord
186745 | Zig:26   | Noticed Zolieq the pandemonium lord
186745 | Zig:26   | Noticed Timyiril the pandemonium lord
186745 | Zig:26   | Killed Timyiril the pandemonium lord
186745 | Zig:26   | Killed Biogeam the pandemonium lord
186745 | Zig:26   | Killed Tutol the pandemonium lord
186745 | Zig:26   | Noticed Bytsuana the pandemonium lord
186745 | Zig:26   | Noticed Suisius the pandemonium lord
186746 | Zig:26   | Noticed Bilijema the pandemonium lord
186746 | Zig:26   | Noticed Xuled the pandemonium lord
186747 | Zig:26   | Noticed Rinap the pandemonium lord
186747 | Zig:26   | Noticed Lezxidd the pandemonium lord
186747 | Zig:26   | Noticed Digaddog the pandemonium lord
186747 | Zig:26   | Killed Xigeint the pandemonium lord
186747 | Zig:26   | Killed Zolieq the pandemonium lord
186747 | Zig:26   | Killed Ocze Rem the pandemonium lord
186747 | Zig:26   | Killed Facrogorch the pandemonium lord
186747 | Zig:26   | Killed Renawn the pandemonium lord
186748 | Zig:26   | Killed Lezxidd the pandemonium lord
186748 | Zig:26   | Killed Rinap the pandemonium lord
186748 | Zig:26   | Killed Daxiuh the pandemonium lord
186748 | Zig:26   | Killed Efiemn the pandemonium lord
186748 | Zig:26   | Killed Veffe the pandemonium lord
186748 | Zig:26   | Killed Kicor the pandemonium lord
186748 | Zig:26   | Killed Bytsuana the pandemonium lord
186748 | Zig:26   | Killed Qabo the pandemonium lord
186748 | Zig:26   | Killed Uveng the pandemonium lord
186748 | Zig:26   | Noticed Myakkolur the pandemonium lord
186749 | Zig:26   | Noticed Timuhien the pandemonium lord
186749 | Zig:26   | Noticed Quidgheth the pandemonium lord
186749 | Zig:26   | Noticed Leun the pandemonium lord
186750 | Zig:26   | Killed Bilijema the pandemonium lord
186750 | Zig:26   | Killed Iduupa the pandemonium lord
186750 | Zig:26   | Noticed Gaocop the pandemonium lord
186751 | Zig:26   | Noticed Zaoschokh the pandemonium lord
186751 | Zig:26   | Killed Suisius the pandemonium lord
186752 | Zig:26   | Killed Xuled the pandemonium lord
186752 | Zig:26   | Killed Guoh the pandemonium lord
186752 | Zig:26   | Killed Myakkolur the pandemonium lord
186752 | Zig:26   | Killed Toucs the pandemonium lord
186752 | Zig:26   | Noticed Zaiz Ziyre the pandemonium lord
186752 | Zig:26   | Noticed Jasaicoff the pandemonium lord
186753 | Zig:26   | Killed Zaoschokh the pandemonium lord
186753 | Zig:26   | Killed Gaocop the pandemonium lord
186753 | Zig:26   | Killed Zuygik the pandemonium lord
186753 | Zig:26   | Killed Quidgheth the pandemonium lord
186753 | Zig:26   | Noticed Egakk the pandemonium lord
186753 | Zig:26   | Noticed Boxzemu the pandemonium lord
186753 | Zig:26   | Noticed Supekh the pandemonium lord
186753 | Zig:26   | Noticed Visumin the pandemonium lord
186753 | Zig:26   | Noticed Feogytt the pandemonium lord
186754 | Zig:26   | Noticed Edupegaq the pandemonium lord
186754 | Zig:26   | Killed Leun the pandemonium lord
186754 | Zig:26   | Killed Digaddog the pandemonium lord
186754 | Zig:26   | Noticed Irreun the pandemonium lord
186754 | Zig:26   | Noticed Heneh the pandemonium lord
186754 | Zig:26   | Noticed Axaffas the pandemonium lord
186754 | Zig:26   | Noticed Taton the pandemonium lord
186754 | Zig:26   | Noticed Hufas the pandemonium lord
186755 | Zig:26   | Killed Timuhien the pandemonium lord
186755 | Zig:26   | Killed Supekh the pandemonium lord
186755 | Zig:26   | Noticed Qonk the pandemonium lord
186755 | Zig:26   | Noticed Keledi the pandemonium lord
186755 | Zig:26   | Noticed Xaibb the pandemonium lord
186755 | Zig:26   | Noticed Apois the pandemonium lord
186756 | Zig:26   | Noticed Allet the pandemonium lord
186756 | Zig:26   | Killed Visumin the pandemonium lord
186757 | Zig:26   | Killed Feoziq the pandemonium lord
186757 | Zig:26   | Killed Axaffas the pandemonium lord
186760 | Zig:26   | Killed Edupegaq the pandemonium lord
186760 | Zig:26   | Killed Zaiz Ziyre the pandemonium lord
186761 | Zig:26   | Killed Egakk the pandemonium lord
186761 | Zig:26   | Killed Boxzemu the pandemonium lord
186763 | Zig:26   | Killed Feogytt the pandemonium lord
186764 | Zig:26   | Killed Heneh the pandemonium lord
186765 | Zig:26   | Noticed Niazxil the pandemonium lord
186766 | Zig:26   | Killed Apois the pandemonium lord
186767 | Zig:26   | Killed Hufas the pandemonium lord
186767 | Zig:26   | Killed Allet the pandemonium lord
186768 | Zig:26   | Killed Qonk the pandemonium lord
186768 | Zig:26   | Killed Xaibb the pandemonium lord
186768 | Zig:26   | Killed Irreun the pandemonium lord
186768 | Zig:26   | Noticed Xerej the pandemonium lord
186769 | Zig:26   | Noticed Ryborr the pandemonium lord
186770 | Zig:26   | Killed Keledi the pandemonium lord
186770 | Zig:26   | Killed Xerej the pandemonium lord
186770 | Zig:26   | Killed Niazxil the pandemonium lord
186770 | Zig:26   | Killed Taton the pandemonium lord
186770 | Zig:26   | Noticed Apep the pandemonium lord
186771 | Zig:26   | Noticed Voexoaru the pandemonium lord
186772 | Zig:26   | Killed Voexoaru the pandemonium lord
186772 | Zig:26   | Killed Jasaicoff the pandemonium lord
186772 | Zig:26   | Noticed Zuanal the pandemonium lord
186772 | Zig:26   | Noticed Gustroz the pandemonium lord
186773 | Zig:26   | Noticed Qerghuck the pandemonium lord
186773 | Zig:26   | Noticed Jorif the pandemonium lord
186773 | Zig:26   | Noticed Dorocim the pandemonium lord
186773 | Zig:26   | Noticed Lualou the pandemonium lord
186773 | Zig:26   | Noticed Hoicwyd the pandemonium lord
186774 | Zig:26   | Noticed Jaliw the pandemonium lord
186775 | Zig:26   | Killed Qerghuck the pandemonium lord
186775 | Zig:26   | Killed Dorocim the pandemonium lord
186775 | Zig:26   | Killed Hoicwyd the pandemonium lord
186775 | Zig:26   | Killed Zuanal the pandemonium lord
186775 | Zig:26   | Noticed Duculy the pandemonium lord
186776 | Zig:26   | Killed Gustroz the pandemonium lord
186776 | Zig:26   | Killed Ryborr the pandemonium lord
186776 | Zig:26   | Killed Jorif the pandemonium lord
186776 | Zig:26   | Noticed Inusod the pandemonium lord
186776 | Zig:26   | Noticed Wuff the pandemonium lord
186778 | Zig:26   | Killed Lualou the pandemonium lord
186778 | Zig:26   | Noticed Enanu the pandemonium lord
186778 | Zig:26   | Noticed Ucajy the pandemonium lord
186779 | Zig:26   | Noticed Gaesoh the pandemonium lord
186779 | Zig:26   | Killed Jaliw the pandemonium lord
186779 | Zig:26   | Killed Wuff the pandemonium lord
186779 | Zig:26   | Noticed Tuskiamuw the pandemonium lord
186779 | Zig:26   | Noticed Oteittoc the pandemonium lord
186779 | Zig:26   | Noticed Xeckay the pandemonium lord
186779 | Zig:26   | Noticed Juluop the pandemonium lord
186779 | Zig:26   | Noticed Gasim the pandemonium lord
186780 | Zig:26   | Killed Enanu the pandemonium lord
186780 | Zig:26   | Killed Gaesoh the pandemonium lord
186781 | Zig:26   | Killed Duculy the pandemonium lord
186781 | Zig:26   | Killed Inusod the pandemonium lord
186781 | Zig:26   | Killed Tuskiamuw the pandemonium lord
186781 | Zig:26   | Killed Gasim the pandemonium lord
186781 | Zig:26   | Killed Apep the pandemonium lord
186781 | Zig:26   | Noticed Vuolaati the pandemonium lord
186781 | Zig:26   | Noticed Caucoz the pandemonium lord
186781 | Zig:26   | Noticed Raruxt the pandemonium lord
186781 | Zig:26   | Noticed Ceagorio the pandemonium lord
186781 | Zig:26   | Noticed Axziklec the pandemonium lord
186782 | Zig:26   | Killed Vuolaati the pandemonium lord
186782 | Zig:26   | Killed Oteittoc the pandemonium lord
186782 | Zig:26   | Noticed Xotig the pandemonium lord
186782 | Zig:26   | Noticed Yculaell the pandemonium lord
186783 | Zig:26   | Killed Ceagorio the pandemonium lord
186783 | Zig:26   | Noticed Kaentiwe the pandemonium lord
186783 | Zig:26   | Noticed Kila the pandemonium lord
186783 | Zig:26   | Noticed Dualog Noi the pandemonium lord
186784 | Zig:26   | Killed Caucoz the pandemonium lord
186784 | Zig:26   | Killed Axziklec the pandemonium lord
186784 | Zig:26   | Noticed Haschur the pandemonium lord
186785 | Zig:26   | Killed Xotig the pandemonium lord
186785 | Zig:26   | Killed Xeckay the pandemonium lord
186785 | Zig:26   | Killed Haschur the pandemonium lord
186785 | Zig:26   | Killed Raruxt the pandemonium lord
186785 | Zig:26   | Killed Kila the pandemonium lord
186785 | Zig:26   | Killed Dualog Noi the pandemonium lord
186785 | Zig:26   | Killed Juluop the pandemonium lord
186785 | Zig:26   | Noticed Onoun the pandemonium lord
186785 | Zig:26   | Noticed Lolimnaob the pandemonium lord
186788 | Zig:26   | Killed Yculaell the pandemonium lord
186788 | Zig:26   | Noticed Jihequc the pandemonium lord
186788 | Zig:26   | Noticed Viloaq the pandemonium lord
186790 | Zig:26   | Killed Ucajy the pandemonium lord
186790 | Zig:26   | Killed Onoun the pandemonium lord
186790 | Zig:26   | Noticed Onuluh the pandemonium lord
186790 | Zig:26   | Noticed Raz Poax the pandemonium lord
186791 | Zig:26   | Noticed Leabucs the pandemonium lord
186792 | Zig:26   | Noticed Puuclaf the pandemonium lord
186792 | Zig:26   | Killed Jihequc the pandemonium lord
186793 | Zig:26   | Killed Lolimnaob the pandemonium lord
186793 | Zig:26   | Killed Leabucs the pandemonium lord
186793 | Zig:26   | Killed Kaentiwe the pandemonium lord
186793 | Zig:26   | Noticed Haseorgh the pandemonium lord
186793 | Zig:26   | Noticed Zifos the pandemonium lord
186794 | Zig:26   | Killed Zifos the pandemonium lord
186794 | Zig:26   | Noticed Qufyam the pandemonium lord
186795 | Zig:26   | Noticed Yfougog the pandemonium lord
186795 | Zig:26   | Killed Viloaq the pandemonium lord
186795 | Zig:26   | Killed Onuluh the pandemonium lord
186795 | Zig:26   | Noticed Ruar the pandemonium lord
186795 | Zig:26   | Killed Yfougog the pandemonium lord
186795 | Zig:26   | Killed Puuclaf the pandemonium lord
186795 | Zig:26   | Noticed Ratzas the pandemonium lord
186795 | Zig:26   | Noticed Ruol the pandemonium lord
186796 | Zig:26   | Noticed Pennar the pandemonium lord
186796 | Zig:26   | Noticed Deuted the pandemonium lord
186796 | Zig:26   | Noticed Evotto the pandemonium lord
186796 | Zig:26   | Noticed Plog the pandemonium lord
186796 | Zig:26   | Killed Qufyam the pandemonium lord
186797 | Zig:26   | Killed Ruar the pandemonium lord
186797 | Zig:26   | Noticed Pyet Gunt the pandemonium lord
186797 | Zig:26   | Noticed Veableod the pandemonium lord
186798 | Zig:26   | Killed Ratzas the pandemonium lord
186798 | Zig:26   | Killed Haseorgh the pandemonium lord
186798 | Zig:26   | Killed Raz Poax the pandemonium lord
186798 | Zig:26   | Killed Plog the pandemonium lord
186798 | Zig:26   | Killed Evotto the pandemonium lord
186798 | Zig:26   | Noticed Forr the pandemonium lord
186798 | Zig:26   | Noticed Faasatto the pandemonium lord
186798 | Zig:26   | Noticed Yxkyfe the pandemonium lord
186799 | Zig:26   | Killed Ruol the pandemonium lord
186799 | Zig:26   | Noticed Ramiohe the pandemonium lord
186799 | Zig:26   | Noticed Efit the pandemonium lord
186799 | Zig:26   | Noticed Nouhet the pandemonium lord
186800 | Zig:26   | Killed Pennar the pandemonium lord
186800 | Zig:26   | Killed Pyet Gunt the pandemonium lord
186800 | Zig:26   | Killed Deuted the pandemonium lord
186800 | Zig:26   | Killed Yxkyfe the pandemonium lord
186800 | Zig:26   | Killed Veableod the pandemonium lord
186800 | Zig:26   | Killed Adgham the pandemonium lord
186800 | Zig:26   | Noticed Loc Nirefes the pandemonium lord
186800 | Zig:26   | Noticed Gahuasm the pandemonium lord
186800 | Zig:26   | Noticed Siellonk the pandemonium lord
186802 | Zig:26   | Killed Faasatto the pandemonium lord
186802 | Zig:26   | Killed Efit the pandemonium lord
186802 | Zig:26   | Noticed Ruscheilu the pandemonium lord
186802 | Zig:26   | Noticed Licaenk the pandemonium lord
186803 | Zig:26   | Noticed Gyokeut the pandemonium lord
186804 | Zig:26   | Noticed Simnitz the pandemonium lord
186805 | Zig:26   | Killed Siellonk the pandemonium lord
186805 | Zig:26   | Killed Simnitz the pandemonium lord
186805 | Zig:26   | Killed Nouhet the pandemonium lord
186805 | Zig:26   | Killed Ramiohe the pandemonium lord
186805 | Zig:26   | Killed Forr the pandemonium lord
186805 | Zig:26   | Noticed Wuqaoth the pandemonium lord
186805 | Zig:26   | Noticed Vonn the pandemonium lord
186806 | Zig:26   | Noticed Reihug the pandemonium lord
186807 | Zig:26   | Killed Loc Nirefes the pandemonium lord
186807 | Zig:26   | Killed Gahuasm the pandemonium lord
186808 | Zig:26   | Killed Gyokeut the pandemonium lord
186808 | Zig:26   | Killed Reihug the pandemonium lord
186808 | Zig:26   | Noticed Ygydgh the pandemonium lord
186808 | Zig:26   | Noticed Xojur the pandemonium lord
186809 | Zig:26   | Killed Wuqaoth the pandemonium lord
186809 | Zig:26   | Killed Ruscheilu the pandemonium lord
186810 | Zig:26   | Killed Ygydgh the pandemonium lord
186810 | Zig:26   | Killed Licaenk the pandemonium lord
186810 | Zig:26   | Noticed Replu the pandemonium lord
186811 | Zig:26   | Killed Replu the pandemonium lord
186811 | Zig:26   | Killed Xojur the pandemonium lord
186811 | Zig:26   | Killed Vonn the pandemonium lord
186813 | Zig:26   | Noticed Onussuwi the pandemonium lord
186813 | Zig:26   | Noticed Zecaypti the pandemonium lord
186814 | Zig:26   | Noticed Uckon the pandemonium lord
186816 | Zig:26   | Killed Uckon the pandemonium lord
186816 | Zig:26   | Killed Zecaypti the pandemonium lord
186816 | Zig:26   | Killed Qalos the pandemonium lord
186816 | Zig:26   | Noticed Jibun the pandemonium lord
186817 | Zig:26   | Killed Onussuwi the pandemonium lord
186818 | Zig:26   | Noticed Camech the pandemonium lord
186819 | Zig:26   | Noticed Buhipt the pandemonium lord
186821 | Zig:26   | Killed Jibun the pandemonium lord
186821 | Zig:26   | Killed Buhipt the pandemonium lord
186821 | Zig:26   | Killed Fuackog the pandemonium lord
186824 | Zig:26   | Noticed Loffoabb the pandemonium lord
186824 | Zig:26   | Noticed Vosh the pandemonium lord
186824 | Zig:26   | Noticed Gullun the pandemonium lord
186824 | Zig:26   | Noticed Fol War the pandemonium lord
186825 | Zig:26   | Killed Loffoabb the pandemonium lord
186825 | Zig:26   | Killed Camech the pandemonium lord
186825 | Zig:26   | Noticed Jolyufuo the pandemonium lord
186826 | Zig:26   | Killed Jolyufuo the pandemonium lord
186826 | Zig:26   | Killed Fol War the pandemonium lord
186826 | Zig:26   | Killed Gullun the pandemonium lord
186828 | Zig:26   | Noticed Isif Juk the pandemonium lord
186829 | Zig:26   | Killed Isif Juk the pandemonium lord
186829 | Zig:26   | Killed Vosh the pandemonium lord
186829 | Zig:26   | Noticed Loynkaw the pandemonium lord
186835 | Zig:26   | Killed Loynkaw the pandemonium lord
187182 | Zig:26   | Found the +4 skin of Zhor {*Englaciate rC+++ SInv}
187190 | Zig:26   | Identified the +1 mace "Demonbane" {venom, Fly}
187191 | Zig:26   | Identified the +4 scale mail of Tevenk {rElec rN+ Regen+}
187209 | Zig:26   | Identified the +6 long sword of Ryijifog {drain, Str+4}
187219 | Zig:26   | Identified the +0 chain mail of the Five Tusks {*Corrode
                  | rC+ Dex+2}
187224 | Zig:26   | Identified the ring of the Teaching Gods {Str+6 Dex+4}
187231 | Zig:26   | Identified the staff of Prudence {rF- Str+3 Conj Tloc Ice}
187232 | Zig:26   | Identified the +7 quarterstaff "Moukoffu" {freeze, Fly
                  | rElec rC- Dex-4}
187234 | Zig:26   | Identified the +1 scale mail "Fonu" {*Corrode Fly SInv}
187257 | Zig:26   | Identified the +9 scimitar of the Ecumenical Temple
                  | {protect, Fly rPois rF- rN+}
187258 | Zig:26   | Identified the ring of Tikkish {rPois rN+ MP+9 Int-4
                  | Slay-4}
187263 | Zig:26   | Identified the staff "Itorujam" {rC+ rCorr Str+6 Stlth-
                  | Ice}
187271 | Zig:26   | Identified the +4 morningstar "Kiliuh" {heavy, ^Drain rC-
                  | Str+7 Int+2}
187274 | Zig:26   | Identified the +2 buckler "Xuekk" {rElec rF- Int+3}
187275 | Zig:26   | Identified the +0 chain mail of the Unicorn {rElec rN+
                  | rCorr}
187393 | Zig:27   | Entered Level 27 of a ziggurat
187397 | Zig:27   | Noticed a royal mummy
187398 | Zig:27   | Noticed a royal mummy
187398 | Zig:27   | Noticed a royal mummy
187398 | Zig:27   | Noticed a royal mummy
187399 | Zig:27   | Killed a royal mummy
187400 | Zig:27   | Noticed a royal mummy
187400 | Zig:27   | Noticed a royal mummy
187401 | Zig:27   | Killed a royal mummy
187401 | Zig:27   | Killed a royal mummy
187401 | Zig:27   | Killed a royal mummy
187401 | Zig:27   | Noticed a royal mummy
187401 | Zig:27   | Noticed a royal mummy
187401 | Zig:27   | Noticed a royal mummy
187403 | Zig:27   | Noticed a royal mummy
187403 | Zig:27   | Noticed a royal mummy
187404 | Zig:27   | Killed a royal mummy
187404 | Zig:27   | Noticed a royal mummy
187405 | Zig:27   | Killed a royal mummy
187405 | Zig:27   | Killed a royal mummy
187405 | Zig:27   | Killed a royal mummy
187405 | Zig:27   | Killed a royal mummy
187406 | Zig:27   | Noticed a royal mummy
187407 | Zig:27   | Killed a royal mummy
187407 | Zig:27   | Killed a royal mummy
187408 | Zig:27   | Noticed a royal mummy
187408 | Zig:27   | Noticed a royal mummy
187408 | Zig:27   | Noticed a royal mummy
187408 | Zig:27   | Noticed a royal mummy
187409 | Zig:27   | Killed a royal mummy
187409 | Zig:27   | Noticed a royal mummy
187409 | Zig:27   | Noticed a royal mummy
187410 | Zig:27   | Noticed a royal mummy
187410 | Zig:27   | Noticed a royal mummy
187411 | Zig:27   | Killed a royal mummy
187411 | Zig:27   | Killed a royal mummy
187411 | Zig:27   | Killed a royal mummy
187411 | Zig:27   | Killed a royal mummy
187411 | Zig:27   | Noticed a royal mummy
187411 | Zig:27   | Noticed a royal mummy
187412 | Zig:27   | Killed a royal mummy
187412 | Zig:27   | Killed a royal mummy
187412 | Zig:27   | Killed a royal mummy
187412 | Zig:27   | Noticed a royal mummy
187413 | Zig:27   | Killed a royal mummy
187413 | Zig:27   | Noticed a royal mummy
187413 | Zig:27   | Noticed a royal mummy
187413 | Zig:27   | Noticed a royal mummy
187413 | Zig:27   | Noticed a royal mummy
187413 | Zig:27   | Noticed a royal mummy
187413 | Zig:27   | Noticed a royal mummy
187414 | Zig:27   | Killed a royal mummy
187414 | Zig:27   | Killed a royal mummy
187414 | Zig:27   | Killed a royal mummy
187414 | Zig:27   | Noticed a royal mummy
187414 | Zig:27   | Killed a royal mummy
187414 | Zig:27   | Noticed a royal mummy
187414 | Zig:27   | Noticed a royal mummy
187414 | Zig:27   | Noticed a royal mummy
187415 | Zig:27   | Noticed a royal mummy
187415 | Zig:27   | Noticed a royal mummy
187416 | Zig:27   | Killed a royal mummy
187416 | Zig:27   | Killed a royal mummy
187416 | Zig:27   | Killed a royal mummy
187416 | Zig:27   | Killed a royal mummy
187416 | Zig:27   | Killed a royal mummy
187416 | Zig:27   | Noticed a royal mummy
187417 | Zig:27   | Killed a royal mummy
187417 | Zig:27   | Killed a royal mummy
187417 | Zig:27   | Killed a royal mummy
187417 | Zig:27   | Killed a royal mummy
187417 | Zig:27   | Killed a royal mummy
187417 | Zig:27   | Killed a royal mummy
187417 | Zig:27   | Noticed a royal mummy
187417 | Zig:27   | Noticed a royal mummy
187417 | Zig:27   | Noticed a royal mummy
187418 | Zig:27   | Killed a royal mummy
187418 | Zig:27   | Noticed a royal mummy
187418 | Zig:27   | Noticed a royal mummy
187418 | Zig:27   | Noticed a royal mummy
187419 | Zig:27   | Killed a royal mummy
187419 | Zig:27   | Noticed a royal mummy
187419 | Zig:27   | Noticed a royal mummy
187419 | Zig:27   | Noticed a royal mummy
187420 | Zig:27   | Killed a royal mummy
187420 | Zig:27   | Killed a royal mummy
187420 | Zig:27   | Killed a royal mummy
187420 | Zig:27   | Killed a royal mummy
187420 | Zig:27   | Killed a royal mummy
187420 | Zig:27   | Noticed a royal mummy
187420 | Zig:27   | Noticed a royal mummy
187420 | Zig:27   | Noticed a royal mummy
187421 | Zig:27   | Killed a royal mummy
187421 | Zig:27   | Killed a royal mummy
187421 | Zig:27   | Killed a royal mummy
187421 | Zig:27   | Noticed a royal mummy
187421 | Zig:27   | Noticed a royal mummy
187423 | Zig:27   | Killed a royal mummy
187423 | Zig:27   | Killed a royal mummy
187423 | Zig:27   | Killed a royal mummy
187423 | Zig:27   | Noticed a royal mummy
187423 | Zig:27   | Noticed a royal mummy
187425 | Zig:27   | Killed a royal mummy
187425 | Zig:27   | Killed a royal mummy
187425 | Zig:27   | Killed a royal mummy
187425 | Zig:27   | Killed a royal mummy
187427 | Zig:27   | Noticed a royal mummy
187427 | Zig:27   | Noticed a royal mummy
187428 | Zig:27   | Noticed a royal mummy
187429 | Zig:27   | Killed a royal mummy
187429 | Zig:27   | Killed a royal mummy
187429 | Zig:27   | Noticed a royal mummy
187429 | Zig:27   | Noticed a royal mummy
187429 | Zig:27   | Noticed a royal mummy
187429 | Zig:27   | Noticed a royal mummy
187429 | Zig:27   | Killed a royal mummy
187430 | Zig:27   | Noticed a royal mummy
187430 | Zig:27   | Noticed a royal mummy
187431 | Zig:27   | Killed a royal mummy
187431 | Zig:27   | Noticed a royal mummy
187431 | Zig:27   | Noticed a royal mummy
187432 | Zig:27   | Killed a royal mummy
187432 | Zig:27   | Killed a royal mummy
187432 | Zig:27   | Killed a royal mummy
187432 | Zig:27   | Killed a royal mummy
187432 | Zig:27   | Killed a royal mummy
187432 | Zig:27   | Noticed a royal mummy
187432 | Zig:27   | Noticed a royal mummy
187432 | Zig:27   | Noticed a royal mummy
187432 | Zig:27   | Killed a royal mummy
187433 | Zig:27   | Killed a royal mummy
187433 | Zig:27   | Killed a royal mummy
187433 | Zig:27   | Noticed a royal mummy
187433 | Zig:27   | Noticed a royal mummy
187434 | Zig:27   | Noticed a royal mummy
187434 | Zig:27   | Noticed a royal mummy
187434 | Zig:27   | Noticed a royal mummy
187434 | Zig:27   | Noticed a royal mummy
187435 | Zig:27   | Killed a royal mummy
187435 | Zig:27   | Killed a royal mummy
187435 | Zig:27   | Noticed a royal mummy
187436 | Zig:27   | Killed a royal mummy
187437 | Zig:27   | Killed a royal mummy
187437 | Zig:27   | Killed a royal mummy
187437 | Zig:27   | Killed a royal mummy
187437 | Zig:27   | Killed a royal mummy
187437 | Zig:27   | Noticed a royal mummy
187437 | Zig:27   | Noticed a royal mummy
187437 | Zig:27   | Noticed a royal mummy
187437 | Zig:27   | Killed a royal mummy
187439 | Zig:27   | Killed a royal mummy
187439 | Zig:27   | Killed a royal mummy
187441 | Zig:27   | Killed a royal mummy
187441 | Zig:27   | Killed a royal mummy
187441 | Zig:27   | Noticed a royal mummy
187441 | Zig:27   | Noticed a royal mummy
187441 | Zig:27   | Killed a royal mummy
187442 | Zig:27   | Noticed a royal mummy
187442 | Zig:27   | Noticed a royal mummy
187443 | Zig:27   | Noticed a royal mummy
187443 | Zig:27   | Killed a royal mummy
187445 | Zig:27   | Noticed a royal mummy
187446 | Zig:27   | Killed a royal mummy
187446 | Zig:27   | Killed a royal mummy
187446 | Zig:27   | Killed a royal mummy
187446 | Zig:27   | Noticed a royal mummy
187446 | Zig:27   | Noticed a royal mummy
187448 | Zig:27   | Killed a royal mummy
187448 | Zig:27   | Killed a royal mummy
187448 | Zig:27   | Killed a royal mummy
187448 | Zig:27   | Noticed a royal mummy
187448 | Zig:27   | Noticed a royal mummy
187449 | Zig:27   | Noticed a royal mummy
187449 | Zig:27   | Noticed a royal mummy
187450 | Zig:27   | Noticed a royal mummy
187450 | Zig:27   | Killed a royal mummy
187451 | Zig:27   | Noticed a royal mummy
187452 | Zig:27   | Killed a royal mummy
187452 | Zig:27   | Killed a royal mummy
187452 | Zig:27   | Killed a royal mummy
187452 | Zig:27   | Noticed a royal mummy
187453 | Zig:27   | Noticed a royal mummy
187453 | Zig:27   | Noticed a royal mummy
187453 | Zig:27   | Noticed a royal mummy
187454 | Zig:27   | Killed a royal mummy
187454 | Zig:27   | Killed a royal mummy
187454 | Zig:27   | Killed a royal mummy
187454 | Zig:27   | Noticed a royal mummy
187454 | Zig:27   | Noticed a royal mummy
187454 | Zig:27   | Killed a royal mummy
187456 | Zig:27   | Killed a royal mummy
187456 | Zig:27   | Killed a royal mummy
187456 | Zig:27   | Killed a royal mummy
187456 | Zig:27   | Noticed a royal mummy
187458 | Zig:27   | Killed a royal mummy
187458 | Zig:27   | Noticed a royal mummy
187458 | Zig:27   | Killed a royal mummy
187461 | Zig:27   | Noticed a royal mummy
187461 | Zig:27   | Noticed a royal mummy
187461 | Zig:27   | Noticed a royal mummy
187461 | Zig:27   | Noticed a royal mummy
187461 | Zig:27   | Noticed a royal mummy
187462 | Zig:27   | Killed a royal mummy
187462 | Zig:27   | Noticed a royal mummy
187462 | Zig:27   | Noticed a royal mummy
187462 | Zig:27   | Noticed a royal mummy
187463 | Zig:27   | Killed a royal mummy
187463 | Zig:27   | Killed a royal mummy
187463 | Zig:27   | Killed a royal mummy
187463 | Zig:27   | Killed a royal mummy
187463 | Zig:27   | Killed a royal mummy
187463 | Zig:27   | Killed a royal mummy
187463 | Zig:27   | Noticed a royal mummy
187463 | Zig:27   | Noticed a royal mummy
187464 | Zig:27   | Noticed a royal mummy
187464 | Zig:27   | Noticed a royal mummy
187465 | Zig:27   | Killed a royal mummy
187465 | Zig:27   | Killed a royal mummy
187465 | Zig:27   | Noticed a royal mummy
187465 | Zig:27   | Noticed a royal mummy
187466 | Zig:27   | Killed a royal mummy
187466 | Zig:27   | Killed a royal mummy
187466 | Zig:27   | Killed a royal mummy
187466 | Zig:27   | Noticed a royal mummy
187466 | Zig:27   | Noticed a royal mummy
187466 | Zig:27   | Killed a royal mummy
187467 | Zig:27   | Killed a royal mummy
187467 | Zig:27   | Killed a royal mummy
187467 | Zig:27   | Killed a royal mummy
187467 | Zig:27   | Noticed a royal mummy
187468 | Zig:27   | Noticed a royal mummy
187469 | Zig:27   | Killed a royal mummy
187470 | Zig:27   | Killed a royal mummy
187470 | Zig:27   | Killed a royal mummy
187470 | Zig:27   | Noticed a royal mummy
187470 | Zig:27   | Noticed a royal mummy
187470 | Zig:27   | Noticed a royal mummy
187471 | Zig:27   | Noticed a royal mummy
187471 | Zig:27   | Noticed a royal mummy
187471 | Zig:27   | Killed a royal mummy
187473 | Zig:27   | Killed a royal mummy
187473 | Zig:27   | Killed a royal mummy
187473 | Zig:27   | Killed a royal mummy
187474 | Zig:27   | Noticed a royal mummy
187475 | Zig:27   | Killed a royal mummy
187475 | Zig:27   | Killed a royal mummy
187477 | Zig:27   | Killed a royal mummy
187478 | Zig:27   | Noticed a royal mummy
187481 | Zig:27   | Killed a royal mummy
187617 | Zig:27   | Identified the +1 short sword "Esegeh" {flame, rPois Str+7}
187618 | Zig:27   | Identified the +3 gold dragon scales "Nitzilou" {rPois rF+
                  | rC+ rCorr Int+9 Dex-4 Slay+4}
187626 | Zig:27   | Identified the amulet of Res Nullius {Spirit Will++ Stlth-}
187634 | Zig:27   | Identified the +1 dire flail of Gozag's Inspiration {holy,
                  | Will+}
187647 | Zig:27   | Identified the +1 chain mail of Kyof Weck {rF+ rC+ Dex-4}
187649 | Zig:27   | Identified the +0 triple crossbow of Digy {flame, rPois rC-
                  | Will++ Str+2}
187664 | Zig:27   | Identified the +4 quarterstaff of Nemor {antimagic, Stlth+}
187669 | Zig:27   | Identified the +1 leather armour "Najeyr" {rElec Int+2}
187670 | Zig:27   | Identified the +4 chain mail of Salvation {rPois Regen+
                  | Str-3 Int+7}
187675 | Zig:27   | Identified the +2 ring mail of the Shrike {rPois Will-
                  | Str+4 Int+3}
187684 | Zig:27   | Identified the +11 rapier of Downix {elec, *Noise rElec
                  | Will+ SInv}
188110 | Zig:27   | Identified the +2 cloak of Midsummer {Will+ Regen+ Dex+3}
188165 | Depths:3 | Acquired 641 gold pieces
188166 | Depths:3 | Acquired 509 gold pieces
188167 | Depths:3 | Acquired 1082 gold pieces
188176 | Zig:1    | Entered Level 1 of a ziggurat
188176 | Zig:1    | Noticed an ancient lich
188176 | Zig:1    | Noticed an ancient lich
188178 | Zig:1    | Killed an ancient lich
188178 | Zig:1    | Killed an ancient lich
188245 | Zig:2    | Entered Level 2 of a ziggurat
188245 | Zig:2    | Noticed an orb of fire
188245 | Zig:2    | Noticed an orb of fire
188245 | Zig:2    | Noticed an orb of fire
188245 | Zig:2    | Noticed an orb of fire
188245 | Zig:2    | Noticed an orb of fire
188245 | Zig:2    | Noticed an orb of fire
188246 | Zig:2    | Noticed an orb of fire
188247 | Zig:2    | Noticed an orb of fire
188248 | Zig:2    | Killed an orb of fire
188249 | Zig:2    | Killed an orb of fire
188249 | Zig:2    | Killed an orb of fire
188249 | Zig:2    | Killed an orb of fire
188249 | Zig:2    | Killed an orb of fire
188249 | Zig:2    | Killed an orb of fire
188249 | Zig:2    | Killed an orb of fire
188250 | Zig:2    | Killed an orb of fire
188342 | Zig:3    | Entered Level 3 of a ziggurat
188400 | Zig:3    | Identified the +0 leather armour of Absolutism {rPois}
188496 | Zig:4    | Entered Level 4 of a ziggurat
188496 | Zig:4    | Noticed a juggernaut
188496 | Zig:4    | Noticed a juggernaut
188496 | Zig:4    | Noticed a juggernaut
188496 | Zig:4    | Noticed a juggernaut
188496 | Zig:4    | Noticed a juggernaut
188496 | Zig:4    | Noticed a juggernaut
188498 | Zig:4    | Killed a juggernaut
188498 | Zig:4    | Killed a juggernaut
188498 | Zig:4    | Killed a juggernaut
188498 | Zig:4    | Killed a juggernaut
188498 | Zig:4    | Killed a juggernaut
188498 | Zig:4    | Killed a juggernaut
188498 | Zig:4    | Noticed a juggernaut
188501 | Zig:4    | Noticed a juggernaut
188502 | Zig:4    | Killed a juggernaut
188504 | Zig:4    | Killed a juggernaut
188675 | Zig:4    | Identified the +7 great mace of Uncomfortable Rashes
                  | {freeze, rC+ Will- rCorr Str+4}
188690 | Zig:4    | Identified the +6 glaive of Dried Tears {freeze, ^Drain
                  | rElec Str+3}
188712 | Zig:5    | Entered Level 5 of a ziggurat
188756 | Zig:5    | Identified the +7 falchion of Itibumm {antimagic, rPois
                  | Will- Dex+3}
188762 | Zig:5    | Identified the +7 plate armour of the Slightly Bent {Harm
                  | rC- Regen+ Int+2}
188887 | Zig:6    | Entered Level 6 of a ziggurat
188887 | Zig:6    | Noticed an orb of fire
188887 | Zig:6    | Noticed an orb of fire
188887 | Zig:6    | Noticed an orb of fire
188887 | Zig:6    | Noticed an orb of fire
188887 | Zig:6    | Noticed an orb of fire
188887 | Zig:6    | Noticed an orb of fire
188887 | Zig:6    | Noticed an orb of fire
188887 | Zig:6    | Noticed an orb of fire
188887 | Zig:6    | Noticed an orb of fire
188887 | Zig:6    | Noticed an orb of fire
188888 | Zig:6    | Noticed an orb of fire
188888 | Zig:6    | Noticed an orb of fire
188890 | Zig:6    | Killed an orb of fire
188890 | Zig:6    | Killed an orb of fire
188890 | Zig:6    | Killed an orb of fire
188890 | Zig:6    | Killed an orb of fire
188890 | Zig:6    | Killed an orb of fire
188890 | Zig:6    | Killed an orb of fire
188890 | Zig:6    | Killed an orb of fire
188890 | Zig:6    | Noticed an orb of fire
188892 | Zig:6    | Noticed an orb of fire
188892 | Zig:6    | Noticed an orb of fire
188892 | Zig:6    | Noticed an orb of fire
188892 | Zig:6    | Noticed an orb of fire
188893 | Zig:6    | Noticed an orb of fire
188893 | Zig:6    | Killed an orb of fire
188893 | Zig:6    | Killed an orb of fire
188893 | Zig:6    | Killed an orb of fire
188893 | Zig:6    | Killed an orb of fire
188893 | Zig:6    | Noticed an orb of fire
188894 | Zig:6    | Noticed an orb of fire
188894 | Zig:6    | Noticed an orb of fire
188895 | Zig:6    | Noticed an orb of fire
188895 | Zig:6    | Killed an orb of fire
188896 | Zig:6    | Killed an orb of fire
188896 | Zig:6    | Killed an orb of fire
188896 | Zig:6    | Killed an orb of fire
188896 | Zig:6    | Killed an orb of fire
188896 | Zig:6    | Killed an orb of fire
188897 | Zig:6    | Killed an orb of fire
188897 | Zig:6    | Noticed an orb of fire
188899 | Zig:6    | Killed an orb of fire
188899 | Zig:6    | Killed an orb of fire
188899 | Zig:6    | Killed an orb of fire
188900 | Zig:6    | Killed an orb of fire
188902 | Zig:6    | Killed an orb of fire
189065 | Zig:7    | Entered Level 7 of a ziggurat
189065 | Zig:7    | Noticed a juggernaut
189065 | Zig:7    | Noticed a juggernaut
189066 | Zig:7    | Killed a juggernaut
189066 | Zig:7    | Killed a juggernaut
189069 | Zig:7    | Noticed a juggernaut
189072 | Zig:7    | Killed a juggernaut
189073 | Zig:7    | Noticed a juggernaut
189078 | Zig:7    | Killed a juggernaut
189403 | Zig:8    | Entered Level 8 of a ziggurat
189571 | Zig:8    | Identified the +7 spear of Foripem {freeze, rPois}
189602 | Zig:8    | Identified the amulet of Ignis's Supremacy {Reflect +Inv
                  | rCorr Int-2 SH+5}
189604 | Zig:8    | Identified the ring "Ymurynad" {rF+ rC+ rN+ Will+ SInv}
189608 | Zig:8    | Identified the +10 spear of Muod {pain, ^Contam rElec rC+
                  | rN+}
189651 | Zig:9    | Entered Level 9 of a ziggurat
189719 | Zig:9    | Identified the staff "Leviticus" {rC+ Stlth+ Earth}
189929 | Zig:10   | Entered Level 10 of a ziggurat
189929 | Zig:10   | Noticed an ancient lich
189929 | Zig:10   | Noticed an ancient lich
189929 | Zig:10   | Noticed a dread lich
189929 | Zig:10   | Noticed a dread lich
189929 | Zig:10   | Noticed a dread lich
189929 | Zig:10   | Noticed a dread lich
189929 | Zig:10   | Noticed an ancient lich
189931 | Zig:10   | Killed a dread lich
189931 | Zig:10   | Killed a dread lich
189931 | Zig:10   | Noticed a dread lich
189932 | Zig:10   | Noticed an ancient lich
189932 | Zig:10   | Noticed a dread lich
189933 | Zig:10   | Killed an ancient lich
189933 | Zig:10   | Killed an ancient lich
189933 | Zig:10   | Killed a dread lich
189933 | Zig:10   | Killed a dread lich
189933 | Zig:10   | Killed a dread lich
189934 | Zig:10   | Killed an ancient lich
189934 | Zig:10   | Killed a dread lich
189934 | Zig:10   | Killed an ancient lich
189934 | Zig:10   | Noticed an ancient lich
189934 | Zig:10   | Noticed a dread lich
189935 | Zig:10   | Noticed a dread lich
189935 | Zig:10   | Noticed a dread lich
189935 | Zig:10   | Noticed an ancient lich
189935 | Zig:10   | Noticed a dread lich
189937 | Zig:10   | Killed an ancient lich
189937 | Zig:10   | Noticed a dread lich
189938 | Zig:10   | Noticed an ancient lich
189939 | Zig:10   | Killed a dread lich
189939 | Zig:10   | Killed a dread lich
189939 | Zig:10   | Killed a dread lich
189939 | Zig:10   | Killed an ancient lich
189939 | Zig:10   | Killed a dread lich
189939 | Zig:10   | Noticed a dread lich
189940 | Zig:10   | Killed a dread lich
189940 | Zig:10   | Killed a dread lich
189940 | Zig:10   | Killed an ancient lich
189940 | Zig:10   | Noticed a dread lich
189940 | Zig:10   | Noticed an ancient lich
189940 | Zig:10   | Noticed an ancient lich
189941 | Zig:10   | Noticed a dread lich
189941 | Zig:10   | Noticed an ancient lich
189942 | Zig:10   | Noticed a dread lich
189942 | Zig:10   | Killed an ancient lich
189942 | Zig:10   | Killed a dread lich
189942 | Zig:10   | Killed a dread lich
189942 | Zig:10   | Killed an ancient lich
189943 | Zig:10   | Noticed a dread lich
189943 | Zig:10   | Noticed a dread lich
189943 | Zig:10   | Noticed a dread lich
189943 | Zig:10   | Noticed an ancient lich
189943 | Zig:10   | Noticed an ancient lich
189944 | Zig:10   | Noticed a dread lich
189944 | Zig:10   | Killed an ancient lich
189944 | Zig:10   | Killed a dread lich
189944 | Zig:10   | Killed a dread lich
189944 | Zig:10   | Killed an ancient lich
189945 | Zig:10   | Noticed a dread lich
189945 | Zig:10   | Noticed a dread lich
189945 | Zig:10   | Killed a dread lich
189946 | Zig:10   | Noticed a dread lich
189946 | Zig:10   | Killed a dread lich
189946 | Zig:10   | Killed a dread lich
189946 | Zig:10   | Killed an ancient lich
189946 | Zig:10   | Noticed a dread lich
189947 | Zig:10   | Noticed a dread lich
189948 | Zig:10   | Killed a dread lich
189948 | Zig:10   | Killed a dread lich
189948 | Zig:10   | Killed a dread lich
189948 | Zig:10   | Killed a dread lich
189950 | Zig:10   | Killed a dread lich
190096 | Zig:10   | Identified the staff of Yradaots {^Drain rElec rC+ Int+5
                  | Ice}
190172 | Zig:10   | Identified the +2 plate armour "Mucae" {*Slow +Inv rPois
                  | rC-}
190176 | Zig:10   | Identified the +3 ring mail of Renon {rF+ Str+2}
190188 | Zig:10   | Identified the +3 quarterstaff of Hepliaklqana's Delight
                  | {drain, Str+2}
190189 | Zig:10   | Identified the ring "Cippe" {rC- MP+9 Int+6 Stlth+}
190192 | Zig:10   | Identified the staff "Ivyqaf" {rC+ Int+3 Ice}
190224 | Zig:11   | Entered Level 11 of a ziggurat
190485 | Zig:11   | Identified the ring of Toamesuos {*Slow rPois AC+4 Str+3}
190493 | Zig:11   | Identified the +0 falchion of Demonkind {flame, rElec rPois
                  | Stlth-}
190501 | Zig:12   | Entered Level 12 of a ziggurat
190872 | Zig:12   | Identified the +3 hand axe "Jejank" {pain, rC+}
190876 | Zig:12   | Identified the staff of Wu Jian's Castigation {^Contam
                  | rPois rC+ rN+ Earth}
190877 | Zig:12   | Identified the +2 morningstar "Newtslayer" {heavy, Str+2
                  | Int-5 Stlth+}
190879 | Zig:12   | Identified the +0 ring mail "Benusiga" {rPois rF+ Regen+
                  | Stlth-}
190887 | Zig:13   | Entered Level 13 of a ziggurat
190983 | Zig:13   | Identified the +4 buckler of Calculation {-Cast rPois rC++}
190988 | Zig:13   | Identified the +10 morningstar of Evolution {distort,
                  | ^Fragile Str-3 Int+2 Dex+9}
190990 | Zig:13   | Identified the +1 pair of gloves of Plasticity {rC- Str+5
                  | Dex+3}
191001 | Zig:13   | Identified the +0 buckler of the Centaur {Slay+2}
191002 | Zig:13   | Identified the +11 trident "Saezam" {flame, *Noise rC++}
191017 | Zig:13   | Identified the +11 battleaxe "Edabepra" {elec, rC+ Str-5
                  | Dex+4}
191366 | Zig:13   | Identified the +2 robe "Geywkyas" {rPois Dex+2}
191367 | Zig:13   | Identified the +2 robe of Qoeckit {rElec rPois Stlth-}
191368 | Zig:13   | Identified the +6 battleaxe "Keri" {flame, rPois rC+ Int+3}
191388 | Zig:14   | Entered Level 14 of a ziggurat
191896 | Zig:15   | Entered Level 15 of a ziggurat
191960 | Zig:15   | Identified the +11 rapier of Royalism {freeze, rN+ Will+
                  | Int-3}
191968 | Zig:15   | Identified the +9 war axe "Otrufo" {flame, rElec}
191970 | Zig:15   | Identified the +0 pair of gloves of the Bespelled God
                  | {Str+3 Stlth+}
191971 | Zig:15   | Identified the +5 quarterstaff of Experimentation {freeze,
                  | Stlth+}
191992 | Zig:15   | Identified the +2 robe of Yxzo {rN+ Str-3 Dex+3 SInv}
191996 | Zig:15   | Identified the ring of the Cricket {rPois Will- rCorr Int+4
                  | SInv}
192006 | Zig:15   | Identified the ring "Agurch" {rPois rF+ Stlth+}
192020 | Zig:15   | Identified the +4 eudemon blade of Doom {holy, Int+3}
192022 | Zig:15   | Identified the +4 ice dragon scales "Picheq" {rElec rF-
                  | rC++ rN++ Int-2 SInv}
192075 | Zig:15   | Identified the +5 glaive of the Shifting Gods {heavy, rElec
                  | Will+ Str+3 Dex+3}
192395 | Zig:16   | Entered Level 16 of a ziggurat
192405 | Zig:16   | Paralysed by an air elemental for 1 turns
192428 | Zig:16   | Found the +6 shillelagh "Devastator" {shatter}
192429 | Zig:16   | Paralysed by an air elemental for 1 turns
192883 | Zig:16   | Identified the +7 spear of Wianeif {holy, rCorr Int+2
                  | Stlth+}
192897 | Zig:16   | Identified the ring "Rulitais" {*Corrode Fly rElec Will-
                  | AC+4}
192916 | Zig:16   | Identified the +6 chain mail "Reifirgh" {rCorr Str+4}
192918 | Zig:16   | Identified the +4 trident of Curaf Deiz {flame, ^Fragile
                  | rN+++ Dex+3 SInv}
192958 | Zig:16   | Identified the +3 quarterstaff "Lusediac" {heavy, rN+ Str+5
                  | Dex-5}
193029 | Zig:17   | Entered Level 17 of a ziggurat
193103 | Zig:17   | Identified the staff of Destiny {rF- Will+ Conj Hexes Ice}
193113 | Zig:17   | Identified the +3 mace "Gapir" {flame, Fly rC- Will+ Dex+4
                  | SInv}
193117 | Zig:17   | Identified the +0 helmet "Iwkaet" {Int+3 Dex-4 Slay+2
                  | Stlth+}
193122 | Zig:17   | Identified the amulet of Kindness {Acrobat rF+ Dex+2}
193124 | Zig:17   | Identified the +8 broad axe "Wurilug" {drain, rElec}
193135 | Zig:17   | Identified the +1 dire flail "Zarph" {venom, rF+}
193136 | Zig:17   | Identified the +0 plate armour of the Sun {Dex+2}
193169 | Zig:17   | Identified the +3 chain mail "Riloj" {Str+3}
193503 | Zig:18   | Entered Level 18 of a ziggurat
193555 | Zig:18   | Identified the +0 eudemon blade "Orb Guardian's Foe" {holy,
                  | rC+ Will+}
193912 | Zig:18   | Identified the +0 robe of Shadows and Fog {Dex+3 Slay-6}
193928 | Zig:18   | Identified the ring "Zempoec" {rPois Dex+6}
193938 | Zig:18   | Identified the staff of Xevoni {rElec Dex+5 Earth}
193941 | Zig:18   | Identified the +2 robe of the Moon {rElec rN+ Regen+ Str+2}
193942 | Zig:18   | Identified the +4 plate armour of Ufofiubb {+Inv rF- Int+3
                  | Dex+2}
194035 | Zig:18   | Identified the +1 trident "Erphukk" {drain, rPois rF+}
194044 | Zig:19   | Entered Level 19 of a ziggurat
194094 | Zig:19   | Identified the ring "Diulyli" {rN+ Str+6}
194137 | Zig:19   | Identified the +1 short sword of the Lumpy Olives {holy,
                  | rF- Int+5 Dex+3}
194168 | Zig:19   | Identified the ring "Obrakes" {Fire +Blink rPois Will+}
194731 | Zig:20   | Entered Level 20 of a ziggurat
194738 | Zig:20   | Noticed an ancient lich
194739 | Zig:20   | Noticed an ancient lich
194740 | Zig:20   | Noticed a dread lich
194741 | Zig:20   | Killed an ancient lich
194742 | Zig:20   | Killed an ancient lich
194742 | Zig:20   | Killed a dread lich
194742 | Zig:20   | Noticed a dread lich
194743 | Zig:20   | Noticed a dread lich
194743 | Zig:20   | Noticed an ancient lich
194744 | Zig:20   | Killed a dread lich
194745 | Zig:20   | Killed an ancient lich
194745 | Zig:20   | Killed a dread lich
194745 | Zig:20   | Noticed a dread lich
194745 | Zig:20   | Noticed a dread lich
194745 | Zig:20   | Noticed an ancient lich
194745 | Zig:20   | Noticed a dread lich
194746 | Zig:20   | Noticed a dread lich
194746 | Zig:20   | Noticed an ancient lich
194746 | Zig:20   | Noticed a dread lich
194747 | Zig:20   | Noticed a dread lich
194747 | Zig:20   | Killed a dread lich
194747 | Zig:20   | Killed a dread lich
194747 | Zig:20   | Killed a dread lich
194748 | Zig:20   | Killed a dread lich
194748 | Zig:20   | Killed an ancient lich
194748 | Zig:20   | Killed a dread lich
194748 | Zig:20   | Killed a dread lich
194748 | Zig:20   | Killed an ancient lich
194748 | Zig:20   | Noticed an ancient lich
194748 | Zig:20   | Noticed an ancient lich
194748 | Zig:20   | Noticed a dread lich
194748 | Zig:20   | Noticed an ancient lich
194748 | Zig:20   | Noticed an ancient lich
194749 | Zig:20   | Noticed an ancient lich
194749 | Zig:20   | Noticed an ancient lich
194749 | Zig:20   | Noticed an ancient lich
194749 | Zig:20   | Noticed an ancient lich
194750 | Zig:20   | Noticed a dread lich
194750 | Zig:20   | Noticed a dread lich
194750 | Zig:20   | Killed a dread lich
194750 | Zig:20   | Killed an ancient lich
194750 | Zig:20   | Killed an ancient lich
194750 | Zig:20   | Killed an ancient lich
194750 | Zig:20   | Killed a dread lich
194750 | Zig:20   | Killed an ancient lich
194750 | Zig:20   | Killed an ancient lich
194751 | Zig:20   | Killed an ancient lich
194751 | Zig:20   | Killed a dread lich
194751 | Zig:20   | Killed an ancient lich
194751 | Zig:20   | Killed an ancient lich
194751 | Zig:20   | Noticed an ancient lich
194751 | Zig:20   | Noticed a dread lich
194751 | Zig:20   | Noticed a dread lich
194752 | Zig:20   | Noticed a dread lich
194754 | Zig:20   | Killed a dread lich
194754 | Zig:20   | Killed a dread lich
194754 | Zig:20   | Noticed an ancient lich
194756 | Zig:20   | Noticed a dread lich
194756 | Zig:20   | Killed a dread lich
194756 | Zig:20   | Killed an ancient lich
194757 | Zig:20   | Killed an ancient lich
194757 | Zig:20   | Killed a dread lich
194758 | Zig:20   | Noticed a dread lich
194759 | Zig:20   | Killed a dread lich
194760 | Zig:20   | Noticed a dread lich
194760 | Zig:20   | Noticed an ancient lich
194761 | Zig:20   | Killed an ancient lich
194764 | Zig:20   | Noticed an ancient lich
194764 | Zig:20   | Noticed an ancient lich
194765 | Zig:20   | Killed a dread lich
194765 | Zig:20   | Killed an ancient lich
194766 | Zig:20   | Killed an ancient lich
194767 | Zig:20   | Noticed a dread lich
194767 | Zig:20   | Noticed an ancient lich
194767 | Zig:20   | Noticed a dread lich
194768 | Zig:20   | Killed an ancient lich
194769 | Zig:20   | Noticed an ancient lich
194769 | Zig:20   | Noticed an ancient lich
194769 | Zig:20   | Noticed an ancient lich
194769 | Zig:20   | Noticed an ancient lich
194769 | Zig:20   | Noticed an ancient lich
194770 | Zig:20   | Killed a dread lich
194770 | Zig:20   | Killed a dread lich
194770 | Zig:20   | Killed an ancient lich
194770 | Zig:20   | Killed an ancient lich
194771 | Zig:20   | Noticed an ancient lich
194772 | Zig:20   | Noticed an ancient lich
194772 | Zig:20   | Killed an ancient lich
194772 | Zig:20   | Killed an ancient lich
194772 | Zig:20   | Killed an ancient lich
194772 | Zig:20   | Noticed a dread lich
194772 | Zig:20   | Noticed a dread lich
194773 | Zig:20   | Noticed a dread lich
194773 | Zig:20   | Noticed an ancient lich
194773 | Zig:20   | Killed an ancient lich
194774 | Zig:20   | Killed an ancient lich
194774 | Zig:20   | Killed an ancient lich
194774 | Zig:20   | Killed a dread lich
194775 | Zig:20   | Killed a dread lich
194775 | Zig:20   | Killed a dread lich
195136 | Zig:20   | Identified the +8 battleaxe "Bung" {drain, rPois rF++ rC+
                  | Stlth+}
195137 | Zig:20   | Identified the ring "Apaus" {rPois Str+3}
195146 | Zig:20   | Identified the staff "Bircherutz" {Int+3 Conj}
195172 | Zig:20   | Identified the staff "Asoumuhe" {*Slow rPois rF+ rC+ Ice}
195185 | Zig:20   | Identified the +7 falchion of Skirmishing {flame, rElec
                  | Will+ Str+3}
195189 | Zig:20   | Identified the +1 plate armour "Guivimuq" {rElec rF+++
                  | Will+ MP-9}
195196 | Zig:20   | Identified the amulet of the Ethereal God {Reflect Regen+
                  | SH+5}
195226 | Zig:20   | Identified the staff of the Sharp God {rF+ rN+ Will- Dex+2
                  | Necro Air}
195234 | Zig:20   | Identified the ring "Sulem" {Wiz ^Drain rElec Will++ Dex+3}
195248 | Zig:20   | Identified the +7 shortbow of the End of Times {flame, rN+}
195251 | Zig:20   | Identified the +3 hand axe of Zin's Approval {freeze, rElec
                  | rC+ Int+3}
195252 | Zig:20   | Identified the +4 great sword "Undertaker" {elec, Str+4}
195286 | Zig:21   | Entered Level 21 of a ziggurat
195292 | Zig:21   | Noticed a juggernaut
195294 | Zig:21   | Noticed a juggernaut
195294 | Zig:21   | Noticed a juggernaut
195294 | Zig:21   | Noticed a juggernaut
195295 | Zig:21   | Killed a juggernaut
195296 | Zig:21   | Noticed a juggernaut
195296 | Zig:21   | Noticed a juggernaut
195296 | Zig:21   | Noticed a juggernaut
195296 | Zig:21   | Noticed a juggernaut
195297 | Zig:21   | Killed a juggernaut
195297 | Zig:21   | Killed a juggernaut
195297 | Zig:21   | Killed a juggernaut
195297 | Zig:21   | Killed a juggernaut
195297 | Zig:21   | Noticed a juggernaut
195297 | Zig:21   | Noticed a juggernaut
195298 | Zig:21   | Noticed a juggernaut
195298 | Zig:21   | Noticed a juggernaut
195299 | Zig:21   | Noticed a juggernaut
195299 | Zig:21   | Noticed a juggernaut
195299 | Zig:21   | Killed a juggernaut
195299 | Zig:21   | Noticed a juggernaut
195299 | Zig:21   | Noticed a juggernaut
195300 | Zig:21   | Killed a juggernaut
195300 | Zig:21   | Killed a juggernaut
195300 | Zig:21   | Killed a juggernaut
195300 | Zig:21   | Killed a juggernaut
195300 | Zig:21   | Killed a juggernaut
195300 | Zig:21   | Noticed a juggernaut
195300 | Zig:21   | Noticed a juggernaut
195301 | Zig:21   | Killed a juggernaut
195301 | Zig:21   | Killed a juggernaut
195301 | Zig:21   | Killed a juggernaut
195301 | Zig:21   | Killed a juggernaut
195301 | Zig:21   | Noticed a juggernaut
195301 | Zig:21   | Noticed a juggernaut
195302 | Zig:21   | Noticed a juggernaut
195302 | Zig:21   | Noticed a juggernaut
195302 | Zig:21   | Noticed a juggernaut
195303 | Zig:21   | Killed a juggernaut
195303 | Zig:21   | Killed a juggernaut
195303 | Zig:21   | Killed a juggernaut
195303 | Zig:21   | Killed a juggernaut
195303 | Zig:21   | Noticed a juggernaut
195303 | Zig:21   | Noticed a juggernaut
195304 | Zig:21   | Killed a juggernaut
195304 | Zig:21   | Killed a juggernaut
195304 | Zig:21   | Killed a juggernaut
195304 | Zig:21   | Noticed a juggernaut
195304 | Zig:21   | Noticed a juggernaut
195304 | Zig:21   | Noticed a juggernaut
195305 | Zig:21   | Noticed a juggernaut
195306 | Zig:21   | Killed a juggernaut
195306 | Zig:21   | Noticed a juggernaut
195306 | Zig:21   | Noticed a juggernaut
195306 | Zig:21   | Killed a juggernaut
195306 | Zig:21   | Noticed a juggernaut
195307 | Zig:21   | Killed a juggernaut
195307 | Zig:21   | Killed a juggernaut
195307 | Zig:21   | Killed a juggernaut
195307 | Zig:21   | Noticed a juggernaut
195308 | Zig:21   | Noticed a juggernaut
195308 | Zig:21   | Killed a juggernaut
195308 | Zig:21   | Noticed a juggernaut
195309 | Zig:21   | Killed a juggernaut
195309 | Zig:21   | Killed a juggernaut
195309 | Zig:21   | Killed a juggernaut
195310 | Zig:21   | Noticed a juggernaut
195311 | Zig:21   | Noticed a juggernaut
195312 | Zig:21   | Killed a juggernaut
195312 | Zig:21   | Killed a juggernaut
195314 | Zig:21   | Killed a juggernaut
195315 | Zig:21   | Killed a juggernaut
195317 | Zig:21   | Killed a juggernaut
195318 | Zig:21   | Noticed a juggernaut
195318 | Zig:21   | Killed a juggernaut
195318 | Zig:21   | Killed a juggernaut
195318 | Zig:21   | Noticed a juggernaut
195319 | Zig:21   | Noticed a juggernaut
195319 | Zig:21   | Noticed a juggernaut
195322 | Zig:21   | Killed a juggernaut
195322 | Zig:21   | Killed a juggernaut
195323 | Zig:21   | Noticed a juggernaut
195323 | Zig:21   | Noticed a juggernaut
195323 | Zig:21   | Noticed a juggernaut
195323 | Zig:21   | Noticed a juggernaut
195324 | Zig:21   | Noticed a juggernaut
195324 | Zig:21   | Noticed a juggernaut
195324 | Zig:21   | Noticed a juggernaut
195325 | Zig:21   | Killed a juggernaut
195325 | Zig:21   | Noticed a juggernaut
195325 | Zig:21   | Noticed a juggernaut
195325 | Zig:21   | Killed a juggernaut
195326 | Zig:21   | Killed a juggernaut
195326 | Zig:21   | Killed a juggernaut
195326 | Zig:21   | Killed a juggernaut
195326 | Zig:21   | Killed a juggernaut
195326 | Zig:21   | Killed a juggernaut
195326 | Zig:21   | Killed a juggernaut
195326 | Zig:21   | Noticed a juggernaut
195328 | Zig:21   | Noticed a juggernaut
195328 | Zig:21   | Killed a juggernaut
195328 | Zig:21   | Killed a juggernaut
195328 | Zig:21   | Killed a juggernaut
195328 | Zig:21   | Noticed a juggernaut
195329 | Zig:21   | Killed a juggernaut
195330 | Zig:21   | Noticed a juggernaut
195331 | Zig:21   | Killed a juggernaut
195331 | Zig:21   | Killed a juggernaut
195333 | Zig:21   | Killed a juggernaut
195342 | Zig:21   | Identified the +3 great sword "Juh Gekh" {holy, Dex+2
                  | Stlth+}
195389 | Zig:21   | Identified the +6 eudemon blade of Descent {holy, Will+
                  | Str+4 Int-4}
195397 | Zig:21   | Identified the +7 shortbow of Rotation {drain, rElec rC++
                  | rCorr}
195406 | Zig:21   | Identified the ring of Furur {rF+ EV+5}
195412 | Zig:21   | Identified the +0 leather armour of Maoquizi {Int+2 Stlth+}
195438 | Zig:21   | Identified the ring "Fyviv" {rF+ Str+6}
195440 | Zig:21   | Identified the ring "Guheg" {Ice Will+}
195442 | Zig:21   | Identified the +1 rapier of Defence by Offence {distort,
                  | MP+9 Str+3 Int-2}
195443 | Zig:21   | Identified the +0 plate armour "Estaxen" {rElec rF++ Will+
                  | Str-4}
195470 | Zig:21   | Identified the ring of Guekouff {Fire Dex+2 SInv Stlth-}
195484 | Zig:21   | Identified the +2 plate armour of Tuliuq {+Blink Will+}
195533 | Zig:21   | Identified the +2 falchion "Zawidi" {drain, *Rage Dex+3
                  | SInv}
195891 | Zig:21   | Identified the +6 war axe "Eribbewa" {freeze, Will+ Dex+3}
195902 | Zig:22   | Entered Level 22 of a ziggurat
196370 | Zig:22   | Identified the +5 quarterstaff of Past Mistakes {freeze,
                  | Dex+4}
196373 | Zig:22   | Identified the staff "Puomotin" {rF+ rCorr Int-4 Fire Ice
                  | Earth Alchemy}
196379 | Zig:22   | Identified the +7 rapier "Killer Klown's Regret" {freeze,
                  | *Corrode rF++ Dex+8}
196382 | Zig:22   | Identified the +1 scimitar of Uzom {flame, MP-9 Str+3 SInv}
196414 | Zig:22   | Identified the +0 orcbow of Fuunkesch {freeze, Dex+6}
196416 | Zig:22   | Identified the +0 chain mail of Terror {Dex+3}
196423 | Zig:22   | Identified the staff of Arrival {*Corrode +Blink rF+ Stlth+
                  | Summ Fire}
196431 | Zig:22   | Identified the +6 falchion "Taxkup" {heavy, Int+3}
196433 | Zig:22   | Identified the +6 orcbow of Qugifikk {drain, Dex+3 SInv}
196455 | Zig:23   | Entered Level 23 of a ziggurat
196567 | Zig:23   | Identified the +6 glaive of Welo {freeze, rF++ Str+2}
196570 | Zig:23   | Identified the +8 hand axe of Watchfulness {antimagic,
                  | rElec Int-5 Dex-2 Stlth+}
196586 | Zig:23   | Identified the ring "Arghefal" {rF++ rC+ Int-4 Dex+8}
196781 | Zig:23   | Identified the +7 long sword "Hellblazer" {protect, rC+
                  | Will+}
197119 | Zig:24   | Entered Level 24 of a ziggurat
197953 | Zig:24   | Identified the +8 great sword of Ewius {flame, ^Fragile
                  | rElec rF+}
197960 | Zig:24   | Identified the +2 chain mail of Qipp {*Corrode rN+ Stlth+}
197970 | Zig:24   | Identified the ring of Ryirai {rElec Str+2 Int+3 Dex+6
                  | Stlth-}
197974 | Zig:24   | Identified the +6 short sword of Zoimolye {drain, rElec rF-
                  | Dex+4}
197975 | Zig:24   | Identified the amulet of Diakk {Faith rF+ Will++ rCorr
                  | Str-5}
197987 | Zig:24   | Identified the staff "Qasoomai" {rF- rC+ rCorr Earth}
197999 | Zig:24   | Identified the amulet "Vatott" {Faith ^Drain rElec rPois
                  | Dex-5}
198001 | Zig:24   | Identified the staff of Hitiytorph {Fly rElec rC+ rN+ Tloc
                  | Fire Ice}
198002 | Zig:24   | Identified the ring of Kerphu {rElec rF+ Int+7 Dex-5}
198035 | Zig:24   | Identified the ring "Ikker" {+Blink MP+9}
198038 | Zig:24   | Identified the ring of the Growing Enemy {rN+ MP+9 Int+3}
198047 | Zig:24   | Identified the +8 flail "Gytow Nadghae" {flame, ^Drain
                  | rPois Will+ Dex+8}
198056 | Zig:24   | Identified the +3 eudemon blade of Yfidgh {holy, rN+}
198096 | Zig:25   | Entered Level 25 of a ziggurat
198106 | Zig:25   | Noticed a dread lich
198113 | Zig:25   | Noticed an ancient lich
198115 | Zig:25   | Killed a dread lich
198117 | Zig:25   | Killed an ancient lich
198173 | Zig:25   | Noticed an ancient lich
198174 | Zig:25   | Killed an ancient lich
198262 | Zig:25   | Identified the ring of Equivalence {Fly Dex+4}
198268 | Zig:25   | Identified the ring of Vell {Will++ AC+4 Int-4 Dex+8}
198282 | Zig:25   | Identified the +6 scale mail of Skepticism {Will- Str+3
                  | Dex+2}
198283 | Zig:25   | Identified the amulet "Tyalez" {Reflect rPois rF+ SH+5}
198290 | Zig:25   | Identified the +1 broad axe "Wyalo" {flame, ^Fragile rF+
                  | Str+8 Int-4}
198305 | Zig:25   | Identified the amulet "Wovvog" {RegenMP Regen+ Stlth+}
198832 | Zig:26   | Entered Level 26 of a ziggurat
198857 | Zig:26   | Noticed a dread lich
198858 | Zig:26   | Killed a dread lich
198866 | Zig:26   | Noticed a dread lich
198867 | Zig:26   | Killed a dread lich
198872 | Zig:26   | Noticed a dread lich
198873 | Zig:26   | Killed a dread lich
199266 | Zig:26   | Identified the ring of Moodiness {Fire ^Contam Int+3}
199270 | Zig:26   | Identified the +2 mace of Callousness {freeze, rN+ rCorr
                  | SInv}
199277 | Zig:26   | Identified the +3 ring mail of Boredom {Rampage Dex+2}
199278 | Zig:26   | Identified the amulet "Wulasax" {Faith Harm Rampage Regen+
                  | Str+3}
199294 | Zig:26   | Identified the staff of the Rattlesnake {rElec Stlth+ Ice
                  | Air}
199391 | Zig:27   | Entered Level 27 of a ziggurat
199397 | Zig:27   | Noticed a seraph
199400 | Zig:27   | Killed a seraph
199407 | Zig:27   | Noticed a seraph
199407 | Zig:27   | Identified the +8 tower shield of the World {Regen+ Str-5
                  | Int+2}
199408 | Zig:27   | Noticed a seraph
199409 | Zig:27   | Noticed a seraph
199409 | Zig:27   | Noticed a seraph
199411 | Zig:27   | Killed a seraph
199412 | Zig:27   | Killed a seraph
199412 | Zig:27   | Noticed a seraph
199413 | Zig:27   | Killed a seraph
199413 | Zig:27   | Noticed a seraph
199415 | Zig:27   | Killed a seraph
199415 | Zig:27   | Killed a seraph
199416 | Zig:27   | Noticed a seraph
199417 | Zig:27   | Noticed a seraph
199418 | Zig:27   | Killed a seraph
199418 | Zig:27   | Noticed a seraph
199418 | Zig:27   | Noticed a seraph
199418 | Zig:27   | Noticed a seraph
199420 | Zig:27   | Noticed a seraph
199420 | Zig:27   | Killed a seraph
199421 | Zig:27   | Killed a seraph
199421 | Zig:27   | Killed a seraph
199421 | Zig:27   | Killed a seraph
199421 | Zig:27   | Noticed a seraph
199422 | Zig:27   | Noticed a seraph
199422 | Zig:27   | Killed a seraph
199422 | Zig:27   | Killed a seraph
199422 | Zig:27   | Identified the +8 tower shield of Indomitability {rF+}
199423 | Zig:27   | Noticed a seraph
199424 | Zig:27   | Killed a seraph
199424 | Zig:27   | Noticed a seraph
199425 | Zig:27   | Noticed a seraph
199425 | Zig:27   | Identified the +6 tower shield of Negation {Int+3}
199426 | Zig:27   | Noticed a seraph
199426 | Zig:27   | Killed a seraph
199426 | Zig:27   | Killed a seraph
199426 | Zig:27   | Noticed a seraph
199426 | Zig:27   | Killed a seraph
199427 | Zig:27   | Noticed a seraph
199428 | Zig:27   | Killed a seraph
199428 | Zig:27   | Noticed a seraph
199429 | Zig:27   | Killed a seraph
199431 | Zig:27   | Noticed a seraph
199432 | Zig:27   | Noticed a seraph
199434 | Zig:27   | Killed a seraph
199434 | Zig:27   | Noticed a seraph
199435 | Zig:27   | Killed a seraph
199436 | Zig:27   | Killed a seraph
199436 | Zig:27   | Noticed a seraph
199438 | Zig:27   | Killed a seraph
199438 | Zig:27   | Killed a seraph
199438 | Zig:27   | Killed a seraph
199440 | Zig:27   | Noticed a seraph
199441 | Zig:27   | Killed a seraph
199441 | Zig:27   | Killed a seraph
199441 | Zig:27   | Identified the +0 tower shield of Badd {rF+}
199442 | Zig:27   | Noticed a seraph
199442 | Zig:27   | Killed a seraph
199442 | Zig:27   | Killed a seraph
199442 | Zig:27   | Noticed a seraph
199443 | Zig:27   | Noticed a seraph
199447 | Zig:27   | Killed a seraph
199447 | Zig:27   | Killed a seraph
199448 | Zig:27   | Noticed a seraph
199449 | Zig:27   | Killed a seraph
199451 | Zig:27   | Killed a seraph
199451 | Zig:27   | Killed a seraph
199451 | Zig:27   | Killed a seraph
199451 | Zig:27   | Noticed a seraph
199453 | Zig:27   | Noticed a seraph
199455 | Zig:27   | Noticed a seraph
199457 | Zig:27   | Killed a seraph
199457 | Zig:27   | Noticed a seraph
199458 | Zig:27   | Killed a seraph
199458 | Zig:27   | Noticed a seraph
199459 | Zig:27   | Killed a seraph
199459 | Zig:27   | Killed a seraph
199460 | Zig:27   | Noticed a seraph
199462 | Zig:27   | Noticed a seraph
199464 | Zig:27   | Killed a seraph
199466 | Zig:27   | Killed a seraph
199466 | Zig:27   | Noticed a seraph
199470 | Zig:27   | Killed a seraph
199470 | Zig:27   | Identified the +0 tower shield "Ecriqoll" {rElec Stlth+}
199471 | Zig:27   | Killed a seraph
199471 | Zig:27   | Noticed a seraph
199472 | Zig:27   | Noticed a seraph
199474 | Zig:27   | Noticed a seraph
199474 | Zig:27   | Killed a seraph
199474 | Zig:27   | Noticed a seraph
199475 | Zig:27   | Killed a seraph
199476 | Zig:27   | Killed a seraph
199478 | Zig:27   | Killed a seraph
199478 | Zig:27   | Noticed a seraph
199486 | Zig:27   | Noticed a seraph
199488 | Zig:27   | Killed a seraph
199494 | Zig:27   | Killed a seraph
199512 | Zig:27   | Noticed a seraph
199516 | Zig:27   | Killed a seraph
199552 | Zig:27   | Identified the +8 tower shield "Omutuelo" {^Contam +Blink
                  | rElec Stlth+}
199568 | Zig:27   | Identified the +6 tower shield "Zoavideg" {rCorr Int+3}
199877 | Zig:27   | Identified the +0 scale mail "Xuneo" {*Corrode rElec Dex+3
                  | SInv}
199879 | Zig:27   | Identified the +2 chain mail of the Harvest Moon {Regen+
                  | rCorr}
199891 | Zig:27   | Identified the +5 falchion "Gaet" {drain, rElec rPois}
199898 | Zig:27   | Identified the +5 hand axe of Ashenzari's Delight {spect,
                  | rElec Dex+5}
199902 | Zig:27   | Identified the ring "Oklieroc" {rElec rC+ Will+ Str-2
                  | Int+3}
199905 | Zig:27   | Identified the ring "Zukotuen" {^Contam Will+ rCorr Str+3
                  | Slay+3}
199925 | Zig:27   | Identified the +1 buckler of the Forest {Str+5 Int-2}
199927 | Zig:27   | Identified the +7 eudemon blade of the Hurtling Gods {holy,
                  | rElec Str+4}
199929 | Zig:27   | Identified the ring "Dotim" {Ice Fly Will- Str+3}
199995 | Depths:3 | Acquired the +4 pair of gloves "Tyewno" {rC- Regen+ SInv}
199996 | Depths:3 | Acquired 503 gold pieces
199997 | Depths:3 | Acquired 892 gold pieces
200006 | Zig:1    | Entered Level 1 of a ziggurat
200006 | Zig:1    | Noticed Lonutsuv the pandemonium lord
200006 | Zig:1    | Noticed Febun the pandemonium lord
200006 | Zig:1    | Noticed Dups the pandemonium lord
200009 | Zig:1    | Killed Dups the pandemonium lord
200010 | Zig:1    | Noticed Libb the pandemonium lord
200011 | Zig:1    | Killed Febun the pandemonium lord
200014 | Zig:1    | Killed Lonutsuv the pandemonium lord
200014 | Zig:1    | Killed Libb the pandemonium lord
200044 | Zig:1    | Identified the +2 helmet of Parsimonious Music {Fly rPois
                  | Str+3 Dex+3}
200069 | Zig:2    | Entered Level 2 of a ziggurat
200069 | Zig:2    | Noticed a dread lich
200069 | Zig:2    | Noticed an ancient lich
200069 | Zig:2    | Noticed a dread lich
200069 | Zig:2    | Noticed an ancient lich
200069 | Zig:2    | Noticed a dread lich
200070 | Zig:2    | Killed an ancient lich
200070 | Zig:2    | Killed a dread lich
200070 | Zig:2    | Killed a dread lich
200071 | Zig:2    | Noticed a dread lich
200071 | Zig:2    | Killed a dread lich
200071 | Zig:2    | Noticed an ancient lich
200072 | Zig:2    | Killed an ancient lich
200072 | Zig:2    | Killed a dread lich
200074 | Zig:2    | Killed an ancient lich
200133 | Zig:2    | Identified the +6 rapier of Eqelish {heavy, Stlth+}
200139 | Zig:2    | Identified the +11 short sword of the King {chaos, SInv}
200143 | Zig:2    | Identified the +4 kite shield "Ciomeirit" {rPois Str+2}
200157 | Zig:3    | Entered Level 3 of a ziggurat
200199 | Zig:3    | Identified the +3 eudemon blade "Wiebear" {holy, Str+3}
200211 | Zig:3    | Identified the amulet of Uzxa {Acrobat rPois rF+ rCorr}
200314 | Zig:4    | Entered Level 4 of a ziggurat
200433 | Zig:4    | Identified the +5 scale mail "Iptedgh" {*Slow Dex+4}
200456 | Zig:5    | Entered Level 5 of a ziggurat
200504 | Zig:5    | Identified the +4 chain mail of Ymept {rPois Str+3 SInv}
200506 | Zig:5    | Identified the +6 great mace of Iceat Xuepru {venom, Str+2
                  | Stlth+}
200633 | Zig:6    | Entered Level 6 of a ziggurat
200633 | Zig:6    | Noticed a dread lich
200633 | Zig:6    | Noticed an ancient lich
200633 | Zig:6    | Noticed a dread lich
200633 | Zig:6    | Noticed a dread lich
200633 | Zig:6    | Noticed a dread lich
200633 | Zig:6    | Noticed an ancient lich
200634 | Zig:6    | Killed a dread lich
200634 | Zig:6    | Killed a dread lich
200634 | Zig:6    | Killed a dread lich
200635 | Zig:6    | Killed an ancient lich
200635 | Zig:6    | Killed a dread lich
200635 | Zig:6    | Killed an ancient lich
200635 | Zig:6    | Noticed a dread lich
200636 | Zig:6    | Noticed an ancient lich
200636 | Zig:6    | Noticed a dread lich
200637 | Zig:6    | Noticed an ancient lich
200637 | Zig:6    | Killed a dread lich
200637 | Zig:6    | Killed a dread lich
200638 | Zig:6    | Killed an ancient lich
200638 | Zig:6    | Killed an ancient lich
200638 | Zig:6    | Noticed a dread lich
200638 | Zig:6    | Noticed an ancient lich
200638 | Zig:6    | Noticed a dread lich
200639 | Zig:6    | Noticed a dread lich
200640 | Zig:6    | Killed an ancient lich
200640 | Zig:6    | Killed a dread lich
200641 | Zig:6    | Killed a dread lich
200641 | Zig:6    | Killed a dread lich
200642 | Zig:6    | Noticed an ancient lich
200644 | Zig:6    | Killed an ancient lich
200644 | Zig:6    | Noticed an ancient lich
200647 | Zig:6    | Killed an ancient lich
200806 | Zig:6    | Identified the +8 trident "Joruphit" {freeze, rF++ Dex+3}
200847 | Zig:7    | Entered Level 7 of a ziggurat
201034 | Zig:7    | Identified the ring "Isext" {Str+3 Int+6}
201036 | Zig:7    | Identified the +0 helmet of the True Pharaoh {rF+ Dex+2
                  | Slay-6 SInv}
201038 | Zig:7    | Identified the +1 robe of the Blessed Realm {Rampage}
201043 | Zig:8    | Entered Level 8 of a ziggurat
201056 | Zig:8    | Killed a starcursed mass
201236 | Zig:8    | Identified the staff of Wuygety {Fly rN+ Dex-4 Necro Fire
                  | Alchemy}
201261 | Zig:9    | Entered Level 9 of a ziggurat
201277 | Zig:9    | Noticed Illunt the pandemonium lord
201284 | Zig:9    | Killed Illunt the pandemonium lord
201335 | Zig:9    | Identified the +0 ring mail of Duef {Harm}
201341 | Zig:9    | Identified the ring "Izeqyum" {rN+ Will- Str+6 SInv}
201561 | Zig:10   | Entered Level 10 of a ziggurat
201561 | Zig:10   | Noticed a juggernaut
201561 | Zig:10   | Noticed a juggernaut
201561 | Zig:10   | Noticed a juggernaut
201561 | Zig:10   | Noticed a juggernaut
201564 | Zig:10   | Killed a juggernaut
201564 | Zig:10   | Killed a juggernaut
201564 | Zig:10   | Killed a juggernaut
201565 | Zig:10   | Noticed a juggernaut
201566 | Zig:10   | Killed a juggernaut
201569 | Zig:10   | Noticed a juggernaut
201570 | Zig:10   | Killed a juggernaut
201571 | Zig:10   | Noticed a juggernaut
201571 | Zig:10   | Noticed a juggernaut
201571 | Zig:10   | Noticed a juggernaut
201572 | Zig:10   | Killed a juggernaut
201574 | Zig:10   | Noticed a juggernaut
201575 | Zig:10   | Killed a juggernaut
201576 | Zig:10   | Killed a juggernaut
201576 | Zig:10   | Killed a juggernaut
201578 | Zig:10   | Killed a juggernaut
201841 | Zig:10   | Identified the ring of Ephemeral Luck {Int+4 SInv}
201856 | Zig:11   | Entered Level 11 of a ziggurat
201856 | Zig:11   | Noticed a royal mummy
201856 | Zig:11   | Noticed a royal mummy
201856 | Zig:11   | Noticed a royal mummy
201856 | Zig:11   | Noticed a royal mummy
201856 | Zig:11   | Noticed a royal mummy
201856 | Zig:11   | Noticed a royal mummy
201856 | Zig:11   | Noticed a royal mummy
201857 | Zig:11   | Killed a royal mummy
201857 | Zig:11   | Killed a royal mummy
201857 | Zig:11   | Killed a royal mummy
201857 | Zig:11   | Killed a royal mummy
201857 | Zig:11   | Killed a royal mummy
201858 | Zig:11   | Noticed a royal mummy
201859 | Zig:11   | Killed a royal mummy
201859 | Zig:11   | Noticed a royal mummy
201859 | Zig:11   | Killed a royal mummy
201860 | Zig:11   | Killed a royal mummy
201861 | Zig:11   | Noticed a royal mummy
201861 | Zig:11   | Noticed a royal mummy
201861 | Zig:11   | Noticed a royal mummy
201863 | Zig:11   | Noticed a royal mummy
201864 | Zig:11   | Killed a royal mummy
201864 | Zig:11   | Killed a royal mummy
201864 | Zig:11   | Killed a royal mummy
201865 | Zig:11   | Noticed a royal mummy
201865 | Zig:11   | Killed a royal mummy
201869 | Zig:11   | Noticed a royal mummy
201870 | Zig:11   | Noticed a royal mummy
201871 | Zig:11   | Killed a royal mummy
201871 | Zig:11   | Killed a royal mummy
201871 | Zig:11   | Killed a royal mummy
201873 | Zig:11   | Killed a royal mummy
201873 | Zig:11   | Noticed a royal mummy
201876 | Zig:11   | Noticed a royal mummy
201877 | Zig:11   | Killed a royal mummy
201879 | Zig:11   | Killed a royal mummy
201953 | Zig:11   | Identified the ring "Damnable Contraption" {EV+5 Dex+3}
201969 | Zig:11   | Identified the staff of Qimpoll {Dex+3 Stlth- Conj Hexes}
201974 | Zig:11   | Identified the +5 great sword of Distant Worlds {freeze,
                  | *Slow Str+3 Stlth+}
201979 | Zig:11   | Identified the +9 mace of Disintegration {vamp, Dex+2 SInv}
201993 | Zig:11   | Identified the staff of Law {rPois Fire Alchemy}
202161 | Zig:12   | Entered Level 12 of a ziggurat
202161 | Zig:12   | Noticed a juggernaut
202161 | Zig:12   | Noticed a juggernaut
202162 | Zig:12   | Noticed a juggernaut
202163 | Zig:12   | Noticed a juggernaut
202164 | Zig:12   | Killed a juggernaut
202164 | Zig:12   | Killed a juggernaut
202164 | Zig:12   | Noticed a juggernaut
202164 | Zig:12   | Noticed a juggernaut
202166 | Zig:12   | Killed a juggernaut
202166 | Zig:12   | Killed a juggernaut
202166 | Zig:12   | Noticed a juggernaut
202167 | Zig:12   | Noticed a juggernaut
202167 | Zig:12   | Killed a juggernaut
202168 | Zig:12   | Killed a juggernaut
202169 | Zig:12   | Noticed a juggernaut
202170 | Zig:12   | Killed a juggernaut
202170 | Zig:12   | Killed a juggernaut
202172 | Zig:12   | Killed a juggernaut
202187 | Zig:12   | Identified the +10 hand axe of Tamyacs {venom, Str+3 Int+3
                  | Stlth+}
202198 | Zig:12   | Identified the +8 halberd of Skirmishing {protect, rF+}
202463 | Zig:12   | Identified the staff "Beastr Mocost" {Will+ Int+3 Dex-4
                  | Conj}
202482 | Zig:12   | Identified the ring of Esoipir {rF+ Str+3 Int+6 Slay+2
                  | Stlth-}
202516 | Zig:13   | Entered Level 13 of a ziggurat
202543 | Zig:13   | Identified the +5 short sword "Neithuopat" {freeze, rElec}
202593 | Zig:13   | Identified the amulet of Veosilo {RegenMP rCorr Int+2}
202660 | Zig:13   | Identified the amulet "Ysogud" {Faith Stlth+}
202889 | Zig:14   | Entered Level 14 of a ziggurat
202889 | Zig:14   | Noticed a juggernaut
202889 | Zig:14   | Noticed a juggernaut
202889 | Zig:14   | Noticed a juggernaut
202889 | Zig:14   | Noticed a juggernaut
202889 | Zig:14   | Noticed a juggernaut
202889 | Zig:14   | Noticed a juggernaut
202889 | Zig:14   | Noticed a juggernaut
202889 | Zig:14   | Noticed a juggernaut
202889 | Zig:14   | Noticed a juggernaut
202890 | Zig:14   | Killed a juggernaut
202890 | Zig:14   | Killed a juggernaut
202891 | Zig:14   | Killed a juggernaut
202891 | Zig:14   | Killed a juggernaut
202891 | Zig:14   | Killed a juggernaut
202891 | Zig:14   | Killed a juggernaut
202892 | Zig:14   | Killed a juggernaut
202892 | Zig:14   | Noticed a juggernaut
202892 | Zig:14   | Noticed a juggernaut
202893 | Zig:14   | Noticed a juggernaut
202894 | Zig:14   | Killed a juggernaut
202894 | Zig:14   | Killed a juggernaut
202895 | Zig:14   | Noticed a juggernaut
202895 | Zig:14   | Noticed a juggernaut
202895 | Zig:14   | Noticed a juggernaut
202896 | Zig:14   | Noticed a juggernaut
202896 | Zig:14   | Killed a juggernaut
202896 | Zig:14   | Killed a juggernaut
202897 | Zig:14   | Killed a juggernaut
202898 | Zig:14   | Killed a juggernaut
202898 | Zig:14   | Killed a juggernaut
202898 | Zig:14   | Killed a juggernaut
202898 | Zig:14   | Noticed a juggernaut
202899 | Zig:14   | Noticed a juggernaut
202902 | Zig:14   | Killed a juggernaut
202902 | Zig:14   | Killed a juggernaut
202903 | Zig:14   | Noticed a juggernaut
202906 | Zig:14   | Killed a juggernaut
202906 | Zig:14   | Killed a juggernaut
202907 | Zig:14   | Noticed a juggernaut
202912 | Zig:14   | Killed a juggernaut
203264 | Zig:14   | Identified the +6 chain mail "Pygax" {Fly Regen+ rCorr
                  | Dex-5}
203268 | Zig:14   | Identified the +0 plate armour of Gluttony {Int+4}
203316 | Zig:15   | Entered Level 15 of a ziggurat
203316 | Zig:15   | Noticed an ancient lich
203316 | Zig:15   | Noticed a dread lich
203316 | Zig:15   | Noticed an ancient lich
203316 | Zig:15   | Noticed an ancient lich
203316 | Zig:15   | Noticed an ancient lich
203316 | Zig:15   | Noticed an ancient lich
203316 | Zig:15   | Noticed a dread lich
203316 | Zig:15   | Noticed a dread lich
203316 | Zig:15   | Noticed an ancient lich
203316 | Zig:15   | Noticed a dread lich
203316 | Zig:15   | Noticed an ancient lich
203316 | Zig:15   | Noticed an ancient lich
203316 | Zig:15   | Noticed a dread lich
203316 | Zig:15   | Noticed a dread lich
203316 | Zig:15   | Noticed a dread lich
203316 | Zig:15   | Noticed an ancient lich
203316 | Zig:15   | Noticed an ancient lich
203316 | Zig:15   | Noticed a dread lich
203317 | Zig:15   | Killed an ancient lich
203317 | Zig:15   | Killed a dread lich
203317 | Zig:15   | Killed a dread lich
203317 | Zig:15   | Killed a dread lich
203317 | Zig:15   | Killed an ancient lich
203317 | Zig:15   | Killed an ancient lich
203318 | Zig:15   | Killed a dread lich
203318 | Zig:15   | Killed an ancient lich
203318 | Zig:15   | Killed a dread lich
203318 | Zig:15   | Killed an ancient lich
203318 | Zig:15   | Killed a dread lich
203318 | Zig:15   | Killed an ancient lich
203318 | Zig:15   | Killed an ancient lich
203318 | Zig:15   | Killed an ancient lich
203318 | Zig:15   | Killed a dread lich
203318 | Zig:15   | Killed an ancient lich
203318 | Zig:15   | Killed an ancient lich
203318 | Zig:15   | Killed a dread lich
203318 | Zig:15   | Noticed an ancient lich
203318 | Zig:15   | Noticed a dread lich
203318 | Zig:15   | Noticed a dread lich
203319 | Zig:15   | Noticed an ancient lich
203320 | Zig:15   | Noticed an ancient lich
203321 | Zig:15   | Noticed a dread lich
203321 | Zig:15   | Noticed an ancient lich
203322 | Zig:15   | Killed a dread lich
203322 | Zig:15   | Killed an ancient lich
203322 | Zig:15   | Killed an ancient lich
203322 | Zig:15   | Killed an ancient lich
203322 | Zig:15   | Killed an ancient lich
203322 | Zig:15   | Noticed an ancient lich
203323 | Zig:15   | Noticed a dread lich
203323 | Zig:15   | Noticed a dread lich
203323 | Zig:15   | Killed a dread lich
203324 | Zig:15   | Killed a dread lich
203324 | Zig:15   | Killed a dread lich
203324 | Zig:15   | Killed a dread lich
203325 | Zig:15   | Noticed a dread lich
203325 | Zig:15   | Noticed an ancient lich
203325 | Zig:15   | Noticed a dread lich
203326 | Zig:15   | Noticed an ancient lich
203326 | Zig:15   | Noticed a dread lich
203326 | Zig:15   | Noticed a dread lich
203326 | Zig:15   | Killed an ancient lich
203326 | Zig:15   | Killed a dread lich
203326 | Zig:15   | Killed a dread lich
203326 | Zig:15   | Killed an ancient lich
203327 | Zig:15   | Noticed an ancient lich
203327 | Zig:15   | Noticed an ancient lich
203328 | Zig:15   | Noticed an ancient lich
203328 | Zig:15   | Noticed an ancient lich
203328 | Zig:15   | Noticed a dread lich
203328 | Zig:15   | Killed a dread lich
203328 | Zig:15   | Killed an ancient lich
203329 | Zig:15   | Noticed a dread lich
203329 | Zig:15   | Killed a dread lich
203329 | Zig:15   | Killed an ancient lich
203329 | Zig:15   | Killed a dread lich
203329 | Zig:15   | Killed an ancient lich
203330 | Zig:15   | Killed an ancient lich
203330 | Zig:15   | Killed an ancient lich
203330 | Zig:15   | Killed a dread lich
203330 | Zig:15   | Noticed an ancient lich
203330 | Zig:15   | Noticed an ancient lich
203331 | Zig:15   | Noticed an ancient lich
203331 | Zig:15   | Noticed an ancient lich
203332 | Zig:15   | Killed an ancient lich
203333 | Zig:15   | Killed an ancient lich
203333 | Zig:15   | Killed an ancient lich
203333 | Zig:15   | Killed an ancient lich
203333 | Zig:15   | Noticed a dread lich
203333 | Zig:15   | Noticed a dread lich
203333 | Zig:15   | Noticed a dread lich
203334 | Zig:15   | Noticed an ancient lich
203334 | Zig:15   | Noticed an ancient lich
203335 | Zig:15   | Killed a dread lich
203335 | Zig:15   | Killed a dread lich
203336 | Zig:15   | Killed a dread lich
203336 | Zig:15   | Killed an ancient lich
203336 | Zig:15   | Killed an ancient lich
203336 | Zig:15   | Noticed an ancient lich
203338 | Zig:15   | Killed an ancient lich
203340 | Zig:15   | Noticed an ancient lich
203341 | Zig:15   | Killed an ancient lich
203350 | Zig:15   | Identified the staff of the Sheltering Oracle {rElec rPois
                  | rC+ Dex-5 Alchemy}
203377 | Zig:15   | Identified the +4 scimitar "Grim" {flame, Int+3}
203379 | Zig:15   | Identified the +2 quarterstaff "Dakk" {flame, rPois rC+
                  | rCorr}
203386 | Zig:15   | Identified the +5 scimitar "Kijupow" {flame, +Blink Stlth+}
203399 | Zig:15   | Identified the +11 rapier "Nategitu" {freeze, Int+2}
203403 | Zig:15   | Identified the staff "Demonslayer" {Necro Earth}
203404 | Zig:15   | Identified the +2 whip "Qoumulo" {freeze, rF+}
203407 | Zig:15   | Identified the +6 war axe of the Blessed Realm {protect,
                  | *Slow rPois Will++ Dex-2}
203412 | Zig:15   | Identified the +4 shortbow of the Bursting Gods {antimagic,
                  | Int+3}
203416 | Zig:15   | Identified the +11 dagger of Defenestration {heavy, rPois
                  | rF++ MP-9 Dex+3}
203437 | Zig:15   | Identified the +6 plate armour of Qekeisuxt {rC+}
203473 | Zig:15   | Identified the +7 bardiche "Viosakuo" {speed, rElec rPois
                  | Str+2}
203481 | Zig:15   | Identified the staff "Deittu" {rElec rF- Int+7 Air}
203726 | Zig:16   | Entered Level 16 of a ziggurat
203777 | Zig:16   | Identified the +8 eudemon blade of the Spider Nest {holy,
                  | rElec rPois Will- SInv}
204000 | Zig:16   | Identified the ring of the Wary Lovers {rPois Str+6 Slay+2}
204029 | Zig:16   | Identified the ring "Tuonebach" {Will+ Int+6}
204034 | Zig:16   | Identified the +4 hand axe of Taimut {spect, ^Fragile rC+
                  | Dex+3}
204045 | Zig:16   | Identified the +6 great sword of Cheibriados {freeze, rC+
                  | Int+3}
204094 | Zig:17   | Entered Level 17 of a ziggurat
204165 | Zig:17   | Identified the +8 flail of Goagrih {flame, rElec rPois
                  | SInv}
204172 | Zig:17   | Identified the +5 hand axe of the Nexus {freeze, Fly rN+
                  | Int-4}
204527 | Zig:18   | Entered Level 18 of a ziggurat
204527 | Zig:18   | Noticed Noulizeu the pandemonium lord
204527 | Zig:18   | Noticed Ahiude Ysoab the pandemonium lord
204527 | Zig:18   | Noticed Retukh the pandemonium lord
204527 | Zig:18   | Noticed Gebumeidd the pandemonium lord
204527 | Zig:18   | Noticed Xymul the pandemonium lord
204527 | Zig:18   | Noticed Vuih the pandemonium lord
204527 | Zig:18   | Noticed Kivuups the pandemonium lord
204527 | Zig:18   | Noticed Meacle the pandemonium lord
204527 | Zig:18   | Noticed Xejaehim the pandemonium lord
204527 | Zig:18   | Noticed Uracaas the pandemonium lord
204527 | Zig:18   | Noticed Rickel the pandemonium lord
204527 | Zig:18   | Noticed Sob Wao the pandemonium lord
204527 | Zig:18   | Noticed Qeojej the pandemonium lord
204527 | Zig:18   | Noticed Daomoiru the pandemonium lord
204527 | Zig:18   | Noticed Peovul the pandemonium lord
204527 | Zig:18   | Noticed Luoz the pandemonium lord
204527 | Zig:18   | Noticed Wagurph the pandemonium lord
204527 | Zig:18   | Noticed Fiju the pandemonium lord
204527 | Zig:18   | Noticed Viriocha the pandemonium lord
204527 | Zig:18   | Noticed Arodghua the pandemonium lord
204527 | Zig:18   | Noticed Utuikh the pandemonium lord
204527 | Zig:18   | Noticed Panwoda the pandemonium lord
204527 | Zig:18   | Noticed Riepp the pandemonium lord
204527 | Zig:18   | Noticed Kunig the pandemonium lord
204529 | Zig:18   | Killed Luoz the pandemonium lord
204529 | Zig:18   | Killed Uracaas the pandemonium lord
204529 | Zig:18   | Killed Xymul the pandemonium lord
204529 | Zig:18   | Killed Wagurph the pandemonium lord
204529 | Zig:18   | Killed Daomoiru the pandemonium lord
204529 | Zig:18   | Killed Rickel the pandemonium lord
204529 | Zig:18   | Killed Fiju the pandemonium lord
204529 | Zig:18   | Killed Utuikh the pandemonium lord
204529 | Zig:18   | Killed Arodghua the pandemonium lord
204529 | Zig:18   | Noticed Losadowk the pandemonium lord
204529 | Zig:18   | Noticed Zoudgh the pandemonium lord
204530 | Zig:18   | Killed Riepp the pandemonium lord
204530 | Zig:18   | Killed Meacle the pandemonium lord
204530 | Zig:18   | Killed Kivuups the pandemonium lord
204530 | Zig:18   | Killed Vuih the pandemonium lord
204530 | Zig:18   | Killed Losadowk the pandemonium lord
204530 | Zig:18   | Killed Xejaehim the pandemonium lord
204530 | Zig:18   | Noticed Utoup the pandemonium lord
204530 | Zig:18   | Killed Buwylat the pandemonium lord
204530 | Zig:18   | Noticed Houmipn the pandemonium lord
204530 | Zig:18   | Noticed Gug Alut the pandemonium lord
204530 | Zig:18   | Noticed Seged the pandemonium lord
204531 | Zig:18   | Killed Panwoda the pandemonium lord
204531 | Zig:18   | Killed Peovul the pandemonium lord
204531 | Zig:18   | Killed Qeojej the pandemonium lord
204531 | Zig:18   | Killed Retukh the pandemonium lord
204531 | Zig:18   | Killed Gebumeidd the pandemonium lord
204531 | Zig:18   | Noticed Xouw God the pandemonium lord
204531 | Zig:18   | Noticed Pupudouj the pandemonium lord
204532 | Zig:18   | Killed Sob Wao the pandemonium lord
204532 | Zig:18   | Killed Viriocha the pandemonium lord
204532 | Zig:18   | Killed Gug Alut the pandemonium lord
204532 | Zig:18   | Killed Ahiude Ysoab the pandemonium lord
204532 | Zig:18   | Killed Zoudgh the pandemonium lord
204532 | Zig:18   | Killed Utoup the pandemonium lord
204532 | Zig:18   | Noticed Zengofyn the pandemonium lord
204532 | Zig:18   | Noticed Gojoafi the pandemonium lord
204533 | Zig:18   | Noticed Odeijior the pandemonium lord
204533 | Zig:18   | Noticed Zinesoes the pandemonium lord
204533 | Zig:18   | Noticed Zuehadorgh the pandemonium lord
204533 | Zig:18   | Noticed Nijomese the pandemonium lord
204533 | Zig:18   | Noticed Giffisuz the pandemonium lord
204533 | Zig:18   | Noticed Ribaru the pandemonium lord
204533 | Zig:18   | Noticed Seatheekka the pandemonium lord
204533 | Zig:18   | Noticed Peotz the pandemonium lord
204533 | Zig:18   | Killed Kunig the pandemonium lord
204534 | Zig:18   | Noticed Faleb the pandemonium lord
204534 | Zig:18   | Killed Seged the pandemonium lord
204534 | Zig:18   | Killed Houmipn the pandemonium lord
204534 | Zig:18   | Killed Peotz the pandemonium lord
204534 | Zig:18   | Killed Noulizeu the pandemonium lord
204534 | Zig:18   | Noticed Oxylahow the pandemonium lord
204535 | Zig:18   | Noticed Jituehism the pandemonium lord
204535 | Zig:18   | Killed Gojoafi the pandemonium lord
204535 | Zig:18   | Killed Zengofyn the pandemonium lord
204535 | Zig:18   | Noticed Oxkolasa the pandemonium lord
204535 | Zig:18   | Noticed Raeduh the pandemonium lord
204535 | Zig:18   | Killed Odeijior the pandemonium lord
204536 | Zig:18   | Killed Zinesoes the pandemonium lord
204536 | Zig:18   | Noticed Kiryde the pandemonium lord
204536 | Zig:18   | Noticed Ockitz the pandemonium lord
204536 | Zig:18   | Noticed Rifetoh the pandemonium lord
204537 | Zig:18   | Killed Zuehadorgh the pandemonium lord
204537 | Zig:18   | Killed Pupudouj the pandemonium lord
204537 | Zig:18   | Killed Giffisuz the pandemonium lord
204538 | Zig:18   | Killed Oxylahow the pandemonium lord
204538 | Zig:18   | Killed Seatheekka the pandemonium lord
204538 | Zig:18   | Killed Jituehism the pandemonium lord
204538 | Zig:18   | Killed Rifetoh the pandemonium lord
204538 | Zig:18   | Killed Faleb the pandemonium lord
204538 | Zig:18   | Killed Xouw God the pandemonium lord
204538 | Zig:18   | Noticed Ydaicuir the pandemonium lord
204538 | Zig:18   | Noticed Banun the pandemonium lord
204538 | Zig:18   | Noticed Joapemih the pandemonium lord
204539 | Zig:18   | Noticed Leazoxta the pandemonium lord
204539 | Zig:18   | Noticed Jyluuf the pandemonium lord
204539 | Zig:18   | Noticed Tiecoe the pandemonium lord
204539 | Zig:18   | Noticed Avion the pandemonium lord
204539 | Zig:18   | Noticed Omeferch the pandemonium lord
204539 | Zig:18   | Noticed Uschythre the pandemonium lord
204539 | Zig:18   | Noticed Lanoskym the pandemonium lord
204539 | Zig:18   | Noticed Ulacau Elum the pandemonium lord
204539 | Zig:18   | Noticed Bihymias the pandemonium lord
204539 | Zig:18   | Noticed Ugre the pandemonium lord
204540 | Zig:18   | Noticed Aqisk the pandemonium lord
204540 | Zig:18   | Killed Ockitz the pandemonium lord
204540 | Zig:18   | Killed Kiryde the pandemonium lord
204540 | Zig:18   | Noticed Jadios the pandemonium lord
204541 | Zig:18   | Noticed Utsiulef the pandemonium lord
204541 | Zig:18   | Killed Joapemih the pandemonium lord
204541 | Zig:18   | Killed Uschythre the pandemonium lord
204541 | Zig:18   | Killed Ulacau Elum the pandemonium lord
204541 | Zig:18   | Killed Aqisk the pandemonium lord
204541 | Zig:18   | Killed Raeduh the pandemonium lord
204541 | Zig:18   | Killed Tiecoe the pandemonium lord
204541 | Zig:18   | Noticed Xafaotas the pandemonium lord
204541 | Zig:18   | Noticed Barreh the pandemonium lord
204542 | Zig:18   | Killed Oxkolasa the pandemonium lord
204542 | Zig:18   | Killed Lanoskym the pandemonium lord
204543 | Zig:18   | Killed Ydaicuir the pandemonium lord
204543 | Zig:18   | Killed Barreh the pandemonium lord
204543 | Zig:18   | Killed Bihymias the pandemonium lord
204543 | Zig:18   | Killed Ugre the pandemonium lord
204543 | Zig:18   | Killed Omeferch the pandemonium lord
204543 | Zig:18   | Killed Banun the pandemonium lord
204543 | Zig:18   | Killed Avion the pandemonium lord
204543 | Zig:18   | Noticed Ynaako the pandemonium lord
204544 | Zig:18   | Killed Leazoxta the pandemonium lord
204544 | Zig:18   | Killed Jadios the pandemonium lord
204544 | Zig:18   | Killed Utsiulef the pandemonium lord
204546 | Zig:18   | Noticed Agios the pandemonium lord
204546 | Zig:18   | Noticed Yckotil the pandemonium lord
204546 | Zig:18   | Noticed Ciusmop the pandemonium lord
204547 | Zig:18   | Killed Jyluuf the pandemonium lord
204547 | Zig:18   | Killed Ynaako the pandemonium lord
204547 | Zig:18   | Killed Ribaru the pandemonium lord
204548 | Zig:18   | Noticed Zorys the pandemonium lord
204548 | Zig:18   | Killed Agios the pandemonium lord
204548 | Zig:18   | Killed Xafaotas the pandemonium lord
204548 | Zig:18   | Killed Yckotil the pandemonium lord
204549 | Zig:18   | Killed Ciusmop the pandemonium lord
204549 | Zig:18   | Noticed Puilojo the pandemonium lord
204551 | Zig:18   | Noticed Jycvu the pandemonium lord
204552 | Zig:18   | Killed Nijomese the pandemonium lord
204553 | Zig:18   | Noticed Qauforr the pandemonium lord
204553 | Zig:18   | Noticed Adyr the pandemonium lord
204554 | Zig:18   | Noticed Kenta the pandemonium lord
204554 | Zig:18   | Noticed Tipsonlo the pandemonium lord
204555 | Zig:18   | Noticed Rovek the pandemonium lord
204555 | Zig:18   | Noticed Went the pandemonium lord
204556 | Zig:18   | Killed Puilojo the pandemonium lord
204556 | Zig:18   | Killed Zorys the pandemonium lord
204557 | Zig:18   | Noticed Arpheh the pandemonium lord
204557 | Zig:18   | Noticed Asmanim the pandemonium lord
204557 | Zig:18   | Noticed Gicsity the pandemonium lord
204557 | Zig:18   | Noticed Rozeter the pandemonium lord
204557 | Zig:18   | Noticed Deots the pandemonium lord
204557 | Zig:18   | Killed Jycvu the pandemonium lord
204558 | Zig:18   | Noticed Layps the pandemonium lord
204558 | Zig:18   | Killed Tipsonlo the pandemonium lord
204558 | Zig:18   | Killed Kenta the pandemonium lord
204558 | Zig:18   | Killed Qauforr the pandemonium lord
204558 | Zig:18   | Killed Deots the pandemonium lord
204558 | Zig:18   | Killed Went the pandemonium lord
204559 | Zig:18   | Killed Asmanim the pandemonium lord
204559 | Zig:18   | Killed Rozeter the pandemonium lord
204559 | Zig:18   | Killed Arpheh the pandemonium lord
204559 | Zig:18   | Noticed Ighodoan the pandemonium lord
204559 | Zig:18   | Noticed Siohic the pandemonium lord
204559 | Zig:18   | Killed Gicsity the pandemonium lord
204560 | Zig:18   | Killed Rovek the pandemonium lord
204560 | Zig:18   | Killed Siohic the pandemonium lord
204560 | Zig:18   | Noticed Xatwiet the pandemonium lord
204560 | Zig:18   | Noticed Nisk the pandemonium lord
204560 | Zig:18   | Noticed Sillorgh the pandemonium lord
204561 | Zig:18   | Killed Xatwiet the pandemonium lord
204561 | Zig:18   | Killed Sillorgh the pandemonium lord
204562 | Zig:18   | Killed Adyr the pandemonium lord
204562 | Zig:18   | Noticed Gunilis the pandemonium lord
204562 | Zig:18   | Noticed Uwuff the pandemonium lord
204563 | Zig:18   | Noticed Biruib the pandemonium lord
204564 | Zig:18   | Noticed Acsow the pandemonium lord
204564 | Zig:18   | Killed Layps the pandemonium lord
204564 | Zig:18   | Killed Nisk the pandemonium lord
204565 | Zig:18   | Killed Gunilis the pandemonium lord
204565 | Zig:18   | Killed Uwuff the pandemonium lord
204565 | Zig:18   | Killed Acsow the pandemonium lord
204565 | Zig:18   | Killed Ighodoan the pandemonium lord
204565 | Zig:18   | Noticed Ysuc the pandemonium lord
204566 | Zig:18   | Killed Biruib the pandemonium lord
204568 | Zig:18   | Killed Ysuc the pandemonium lord
204572 | Zig:18   | Noticed Haoq Laf Mio the pandemonium lord
204574 | Zig:18   | Killed Haoq Laf Mio the pandemonium lord
204830 | Zig:18   | Identified the +2 robe "Zesuh" {*Corrode rN+ Int+4 Dex+2}
204838 | Zig:18   | Identified the +0 trident "Xeibojirr" {speed, MP+9 Int+5}
204933 | Zig:18   | Identified the ring of Hodwimae {rN+++ MP+9 Str-3 Int-2}
204940 | Zig:18   | Identified the +6 scale mail of Gluttony {+Blink rElec
                  | Str-4 Stlth+}
204955 | Zig:18   | Identified the +4 broad axe of Arrival {heavy, rF+ rCorr}
204956 | Zig:18   | Identified the +0 leather armour of Lugonu's Fury {rC-
                  | rN+++ Stlth+}
204958 | Zig:18   | Identified the +1 robe of Foolhardiness {Rampage *Corrode
                  | Archmagi}
204973 | Zig:18   | Identified the +0 leather armour "Jahunwon" {Will+ SInv}
204975 | Zig:18   | Identified the ring of Veaxkaubb {rPois Str+2 Int+3 Dex+2
                  | Stlth+}
204992 | Zig:18   | Identified the +3 long sword of the Magi {pain, *Rage Fly
                  | rF- Stlth+}
204993 | Zig:18   | Identified the +6 demon whip "Qoevos" {freeze, ^Fragile rF+
                  | Will+ rCorr}
205005 | Zig:19   | Entered Level 19 of a ziggurat
205078 | Zig:19   | Identified the +0 ring mail of Teosk {rF++ Stlth+}
205089 | Zig:19   | Identified the amulet "Xacvu" {Spirit Will+}
205091 | Zig:19   | Identified the amulet "Haikki" {Acrobat *Slow rPois rF+
                  | rCorr}
205094 | Zig:19   | Identified the +0 leather armour of the Immovable Knives
                  | {Str+2}
205103 | Zig:19   | Identified the +0 ring mail "Raymmyok" {rCorr}
205111 | Zig:19   | Identified the +2 dagger of Absolution {drain, rCorr Str+2
                  | Int+3 Dex+4}
205114 | Zig:19   | Identified the +0 ring mail of Owoacel {rPois rF+ rCorr}
205154 | Zig:19   | Identified the staff "Joifaoss" {^Contam rF+ Dex+7 Summ
                  | Fire}
205157 | Zig:19   | Identified the +8 plate armour "Rier" {Regen+ Int-4 Slay+2}
205180 | Zig:19   | Identified the staff of the Boar {Str+3 Int+2 Dex+2 Earth}
205181 | Zig:19   | Identified the +6 hand axe "Woxog" {speed, Str+4}
205472 | Zig:20   | Entered Level 20 of a ziggurat
205536 | Zig:20   | Identified the +4 long sword of Kindness {drain, rPois}
205545 | Zig:20   | Identified the +0 hand axe of Purpose {speed, MP+9 Str+2
                  | Int+2 SInv}
205901 | Zig:20   | Identified the staff of Cocytus {rF+ Summ Fire}
205924 | Zig:20   | Identified the staff "Guluo" {rN+ Necro Fire}
205930 | Zig:20   | Identified the +1 shadow dragon scales of Padduo {rElec
                  | Dex+4 Slay+2 Stlth++++}
205941 | Zig:20   | Identified the staff of the Pit {*Slow rF+ Dex+2 Earth}
206006 | Zig:20   | Identified the +1 morningstar "Xiaciex" {heavy, *Corrode
                  | rF+ Dex+3}
206022 | Zig:20   | Identified the +2 pair of boots "Myiruomi" {+Inv rElec
                  | Will- Int+3}
206028 | Zig:20   | Identified the amulet of Ebobb {RegenMP rPois Str+5 Dex+2}
206054 | Zig:21   | Entered Level 21 of a ziggurat
206054 | Zig:21   | Noticed a royal mummy
206054 | Zig:21   | Noticed a royal mummy
206054 | Zig:21   | Noticed a royal mummy
206054 | Zig:21   | Noticed a royal mummy
206054 | Zig:21   | Noticed a royal mummy
206054 | Zig:21   | Noticed a royal mummy
206054 | Zig:21   | Noticed a royal mummy
206054 | Zig:21   | Noticed a royal mummy
206054 | Zig:21   | Noticed a royal mummy
206054 | Zig:21   | Noticed a royal mummy
206054 | Zig:21   | Noticed a royal mummy
206055 | Zig:21   | Killed a royal mummy
206055 | Zig:21   | Killed a royal mummy
206055 | Zig:21   | Killed a royal mummy
206055 | Zig:21   | Killed a royal mummy
206055 | Zig:21   | Killed a royal mummy
206055 | Zig:21   | Killed a royal mummy
206055 | Zig:21   | Killed a royal mummy
206055 | Zig:21   | Killed a royal mummy
206055 | Zig:21   | Killed a royal mummy
206056 | Zig:21   | Killed a royal mummy
206056 | Zig:21   | Killed a royal mummy
206056 | Zig:21   | Noticed a royal mummy
206057 | Zig:21   | Noticed a royal mummy
206057 | Zig:21   | Noticed a royal mummy
206058 | Zig:21   | Noticed a royal mummy
206059 | Zig:21   | Noticed a royal mummy
206059 | Zig:21   | Noticed a royal mummy
206060 | Zig:21   | Killed a royal mummy
206060 | Zig:21   | Noticed a royal mummy
206061 | Zig:21   | Noticed a royal mummy
206061 | Zig:21   | Noticed a royal mummy
206061 | Zig:21   | Noticed a royal mummy
206062 | Zig:21   | Killed a royal mummy
206062 | Zig:21   | Killed a royal mummy
206062 | Zig:21   | Killed a royal mummy
206062 | Zig:21   | Killed a royal mummy
206062 | Zig:21   | Noticed a royal mummy
206063 | Zig:21   | Noticed a royal mummy
206063 | Zig:21   | Noticed a royal mummy
206063 | Zig:21   | Killed a royal mummy
206063 | Zig:21   | Killed a royal mummy
206064 | Zig:21   | Killed a royal mummy
206064 | Zig:21   | Killed a royal mummy
206064 | Zig:21   | Noticed a royal mummy
206066 | Zig:21   | Killed a royal mummy
206066 | Zig:21   | Killed a royal mummy
206066 | Zig:21   | Killed a royal mummy
206067 | Zig:21   | Noticed a royal mummy
206067 | Zig:21   | Noticed a royal mummy
206068 | Zig:21   | Killed a royal mummy
206068 | Zig:21   | Noticed a royal mummy
206069 | Zig:21   | Noticed a royal mummy
206069 | Zig:21   | Noticed a royal mummy
206070 | Zig:21   | Killed a royal mummy
206070 | Zig:21   | Noticed a royal mummy
206071 | Zig:21   | Noticed a royal mummy
206072 | Zig:21   | Killed a royal mummy
206072 | Zig:21   | Killed a royal mummy
206072 | Zig:21   | Killed a royal mummy
206072 | Zig:21   | Killed a royal mummy
206072 | Zig:21   | Killed a royal mummy
206073 | Zig:21   | Noticed a royal mummy
206073 | Zig:21   | Noticed a royal mummy
206073 | Zig:21   | Noticed a royal mummy
206073 | Zig:21   | Noticed a royal mummy
206074 | Zig:21   | Killed a royal mummy
206074 | Zig:21   | Killed a royal mummy
206074 | Zig:21   | Killed a royal mummy
206075 | Zig:21   | Noticed a royal mummy
206075 | Zig:21   | Killed a royal mummy
206075 | Zig:21   | Noticed a royal mummy
206076 | Zig:21   | Killed a royal mummy
206076 | Zig:21   | Killed a royal mummy
206076 | Zig:21   | Killed a royal mummy
206076 | Zig:21   | Noticed a royal mummy
206077 | Zig:21   | Noticed a royal mummy
206077 | Zig:21   | Noticed a royal mummy
206078 | Zig:21   | Killed a royal mummy
206078 | Zig:21   | Noticed a royal mummy
206080 | Zig:21   | Killed a royal mummy
206080 | Zig:21   | Killed a royal mummy
206081 | Zig:21   | Noticed a royal mummy
206081 | Zig:21   | Noticed a royal mummy
206082 | Zig:21   | Killed a royal mummy
206082 | Zig:21   | Killed a royal mummy
206084 | Zig:21   | Killed a royal mummy
206084 | Zig:21   | Killed a royal mummy
206116 | Zig:21   | Identified the +8 orcbow of Hyuvvi {heavy, SInv}
206219 | Zig:21   | Identified the +3 sling of Terra Cotta {speed, Str+5 Int-3}
206222 | Zig:21   | Identified the ring of Jusolugg {Ice rN+ rCorr}
206225 | Zig:21   | Identified the +9 orcbow of the Past {freeze, Will++ rCorr
                  | Int+2}
206231 | Zig:21   | Identified the ring "Ocvipt" {Wiz rF+ rN+ rCorr}
206233 | Zig:21   | Identified the +0 broad axe of Wrongful Imprisonment
                  | {protect, rC+ Will++ Str+8}
206234 | Zig:21   | Identified the +7 long sword of the Distant Future
                  | {antimagic, rElec rPois rC+}
206255 | Zig:21   | Identified the ring "Giodoolue" {rC+ rN+ rCorr Str+3}
206282 | Zig:21   | Identified the +7 lajatang "Golem" {freeze, rF+ rCorr SInv}
206665 | Zig:21   | Identified the staff of No Interval {rC+ rCorr Str+2 Ice}
206673 | Zig:22   | Entered Level 22 of a ziggurat
206673 | Zig:22   | Noticed an ancient lich
206673 | Zig:22   | Noticed a dread lich
206673 | Zig:22   | Noticed a dread lich
206673 | Zig:22   | Noticed a dread lich
206673 | Zig:22   | Noticed an ancient lich
206673 | Zig:22   | Noticed a dread lich
206673 | Zig:22   | Noticed a dread lich
206673 | Zig:22   | Noticed a dread lich
206673 | Zig:22   | Noticed a dread lich
206673 | Zig:22   | Noticed a dread lich
206673 | Zig:22   | Noticed an ancient lich
206673 | Zig:22   | Noticed an ancient lich
206673 | Zig:22   | Noticed a dread lich
206673 | Zig:22   | Noticed a dread lich
206673 | Zig:22   | Noticed a dread lich
206673 | Zig:22   | Noticed an ancient lich
206673 | Zig:22   | Noticed a dread lich
206673 | Zig:22   | Noticed an ancient lich
206673 | Zig:22   | Noticed a dread lich
206674 | Zig:22   | Killed a dread lich
206674 | Zig:22   | Killed an ancient lich
206674 | Zig:22   | Killed an ancient lich
206674 | Zig:22   | Killed a dread lich
206674 | Zig:22   | Killed a dread lich
206674 | Zig:22   | Killed a dread lich
206674 | Zig:22   | Killed a dread lich
206675 | Zig:22   | Killed a dread lich
206675 | Zig:22   | Killed a dread lich
206675 | Zig:22   | Killed a dread lich
206675 | Zig:22   | Killed an ancient lich
206675 | Zig:22   | Killed an ancient lich
206675 | Zig:22   | Killed a dread lich
206675 | Zig:22   | Killed a dread lich
206675 | Zig:22   | Killed a dread lich
206675 | Zig:22   | Killed an ancient lich
206675 | Zig:22   | Killed a dread lich
206675 | Zig:22   | Killed an ancient lich
206675 | Zig:22   | Noticed an ancient lich
206675 | Zig:22   | Noticed a dread lich
206675 | Zig:22   | Noticed an ancient lich
206675 | Zig:22   | Noticed a dread lich
206676 | Zig:22   | Noticed an ancient lich
206677 | Zig:22   | Noticed a dread lich
206677 | Zig:22   | Noticed a dread lich
206677 | Zig:22   | Noticed a dread lich
206677 | Zig:22   | Noticed an ancient lich
206677 | Zig:22   | Noticed an ancient lich
206678 | Zig:22   | Killed a dread lich
206678 | Zig:22   | Killed an ancient lich
206678 | Zig:22   | Killed an ancient lich
206678 | Zig:22   | Killed an ancient lich
206678 | Zig:22   | Killed a dread lich
206678 | Zig:22   | Noticed a dread lich
206678 | Zig:22   | Noticed a dread lich
206678 | Zig:22   | Killed an ancient lich
206678 | Zig:22   | Noticed an ancient lich
206679 | Zig:22   | Noticed an ancient lich
206679 | Zig:22   | Noticed an ancient lich
206679 | Zig:22   | Noticed a dread lich
206679 | Zig:22   | Noticed a dread lich
206679 | Zig:22   | Noticed a dread lich
206680 | Zig:22   | Killed a dread lich
206680 | Zig:22   | Killed a dread lich
206680 | Zig:22   | Killed a dread lich
206680 | Zig:22   | Killed a dread lich
206680 | Zig:22   | Killed an ancient lich
206680 | Zig:22   | Killed an ancient lich
206680 | Zig:22   | Killed an ancient lich
206680 | Zig:22   | Killed a dread lich
206680 | Zig:22   | Killed a dread lich
206681 | Zig:22   | Noticed an ancient lich
206681 | Zig:22   | Killed a dread lich
206681 | Zig:22   | Noticed an ancient lich
206681 | Zig:22   | Noticed a dread lich
206682 | Zig:22   | Killed an ancient lich
206682 | Zig:22   | Killed a dread lich
206683 | Zig:22   | Noticed an ancient lich
206683 | Zig:22   | Noticed an ancient lich
206683 | Zig:22   | Noticed a dread lich
206683 | Zig:22   | Noticed a dread lich
206683 | Zig:22   | Killed a dread lich
206683 | Zig:22   | Noticed a dread lich
206684 | Zig:22   | Killed a dread lich
206684 | Zig:22   | Killed a dread lich
206684 | Zig:22   | Killed an ancient lich
206684 | Zig:22   | Killed a dread lich
206684 | Zig:22   | Killed an ancient lich
206684 | Zig:22   | Killed an ancient lich
206684 | Zig:22   | Killed an ancient lich
206684 | Zig:22   | Noticed a dread lich
206685 | Zig:22   | Noticed a dread lich
206685 | Zig:22   | Noticed an ancient lich
206685 | Zig:22   | Noticed an ancient lich
206685 | Zig:22   | Noticed an ancient lich
206686 | Zig:22   | Killed a dread lich
206686 | Zig:22   | Killed an ancient lich
206686 | Zig:22   | Noticed a dread lich
206686 | Zig:22   | Killed a dread lich
206686 | Zig:22   | Noticed a dread lich
206687 | Zig:22   | Noticed an ancient lich
206687 | Zig:22   | Noticed an ancient lich
206687 | Zig:22   | Noticed a dread lich
206687 | Zig:22   | Noticed an ancient lich
206687 | Zig:22   | Noticed a dread lich
206687 | Zig:22   | Killed a dread lich
206687 | Zig:22   | Noticed an ancient lich
206688 | Zig:22   | Noticed an ancient lich
206688 | Zig:22   | Killed a dread lich
206688 | Zig:22   | Killed an ancient lich
206688 | Zig:22   | Killed an ancient lich
206688 | Zig:22   | Killed an ancient lich
206688 | Zig:22   | Noticed an ancient lich
206688 | Zig:22   | Noticed a dread lich
206689 | Zig:22   | Noticed a dread lich
206689 | Zig:22   | Noticed a dread lich
206689 | Zig:22   | Noticed an ancient lich
206690 | Zig:22   | Killed an ancient lich
206690 | Zig:22   | Killed a dread lich
206690 | Zig:22   | Killed a dread lich
206690 | Zig:22   | Killed a dread lich
206690 | Zig:22   | Killed an ancient lich
206690 | Zig:22   | Killed a dread lich
206690 | Zig:22   | Killed an ancient lich
206690 | Zig:22   | Killed an ancient lich
206690 | Zig:22   | Killed an ancient lich
206690 | Zig:22   | Killed a dread lich
206690 | Zig:22   | Killed a dread lich
206690 | Zig:22   | Noticed an ancient lich
206691 | Zig:22   | Noticed an ancient lich
206691 | Zig:22   | Noticed an ancient lich
206691 | Zig:22   | Noticed a dread lich
206691 | Zig:22   | Noticed a dread lich
206691 | Zig:22   | Noticed an ancient lich
206692 | Zig:22   | Noticed an ancient lich
206692 | Zig:22   | Killed an ancient lich
206692 | Zig:22   | Killed a dread lich
206692 | Zig:22   | Killed a dread lich
206692 | Zig:22   | Killed an ancient lich
206692 | Zig:22   | Killed an ancient lich
206692 | Zig:22   | Killed an ancient lich
206693 | Zig:22   | Noticed a dread lich
206693 | Zig:22   | Noticed a dread lich
206693 | Zig:22   | Noticed an ancient lich
206693 | Zig:22   | Noticed a dread lich
206694 | Zig:22   | Killed an ancient lich
206694 | Zig:22   | Killed a dread lich
206694 | Zig:22   | Killed an ancient lich
206695 | Zig:22   | Noticed a dread lich
206695 | Zig:22   | Noticed a dread lich
206696 | Zig:22   | Killed an ancient lich
206696 | Zig:22   | Killed a dread lich
206696 | Zig:22   | Killed a dread lich
206697 | Zig:22   | Noticed an ancient lich
206697 | Zig:22   | Noticed a dread lich
206698 | Zig:22   | Killed a dread lich
206698 | Zig:22   | Killed a dread lich
206698 | Zig:22   | Killed a dread lich
206699 | Zig:22   | Noticed an ancient lich
206700 | Zig:22   | Killed an ancient lich
206700 | Zig:22   | Killed an ancient lich
206700 | Zig:22   | Noticed a dread lich
206701 | Zig:22   | Found the +18 Lear's hauberk
206702 | Zig:22   | Killed a dread lich
206704 | Zig:22   | Noticed a dread lich
206705 | Zig:22   | Noticed a dread lich
206706 | Zig:22   | Killed a dread lich
206708 | Zig:22   | Killed a dread lich
206740 | Zig:22   | Identified the ring "Sioret" {rF+ rN+}
206747 | Zig:22   | Identified the +8 ice dragon scales "Olel" {rPois rF- rC++
                  | rN++ Str+3 Dex-5}
206760 | Zig:22   | Identified the +7 eudemon blade of Annoyance {holy, Str+6
                  | Stlth+}
206766 | Zig:22   | Identified the ring "Onoereol" {Ice *Slow rPois Str-5
                  | Int+8}
206789 | Zig:22   | Identified the +1 leather armour of Lozymibi {Will+}
207186 | Zig:22   | Identified the staff "Fyehuem" {rPois Hexes Alchemy}
207195 | Zig:22   | Identified the +0 plate armour "Iwnaov" {rPois Regen+ Str-3
                  | Dex-2}
207199 | Zig:22   | Identified the ring of Paranoia {rElec rC+ Will- EV+5 SInv}
207220 | Zig:22   | Identified the +1 robe "Tilus" {Str-2 Int+3 Dex+6}
207222 | Zig:22   | Identified the +6 acid dragon scales of Zin's Righteous
                  | Fury {rPois rC+ Will+ rCorr Dex-4}
207232 | Zig:22   | Identified the ring "Luguacuw" {rElec SInv}
207246 | Zig:22   | Identified the +3 buckler "Tutack" {*Slow rPois rF- rCorr
                  | Str+8}
207255 | Zig:22   | Identified the +0 orcbow of Plunder {heavy, rF+ MP-9 Str+2}
207268 | Zig:22   | Identified the +1 mace of the Mind {heavy, *Slow Fly rElec
                  | Str+2}
207326 | Zig:23   | Entered Level 23 of a ziggurat
207340 | Zig:23   | Noticed an ancient lich
207361 | Zig:23   | Banished an ancient lich
207411 | Zig:23   | Identified the staff "Murmur" {rPois SInv Alchemy}
207420 | Zig:23   | Identified the +7 scimitar of the Hills {drain, Int+3}
207422 | Zig:23   | Identified the +3 eudemon blade of the Extremes {holy,
                  | Dex+2}
207451 | Zig:23   | Identified the +4 hand axe "Lifebane" {flame, Will+}
207494 | Zig:23   | Identified the +3 great mace of the Past {venom, *Corrode
                  | rElec rN++ Stlth+}
207496 | Zig:23   | Identified the ring "Yleanac" {Ice rN+}
207504 | Zig:23   | Identified the +0 leather armour of the Distant Future
                  | {rN+}
207513 | Zig:23   | Identified the staff "Ycaeh" {*Corrode rElec rPois Str+2
                  | Dex+2 Air}
207529 | Zig:23   | Identified the +1 plate armour of Snakes and Ladders {rF+}
207534 | Zig:23   | Identified the +1 chain mail of Ru's Benevolence {Slay+3}
207554 | Zig:23   | Identified the amulet of Doors {RegenMP Rampage Dex+6}
207564 | Zig:23   | Identified the +0 halberd of Noon {venom, Str+4}
207574 | Zig:23   | Identified the amulet "Ajain" {Reflect rElec rC+ SH+5}
207723 | Zig:23   | Identified the +5 short sword "Beastbane" {freeze, rN++
                  | Str+3 Int+3 Dex-2}
207732 | Zig:23   | Identified the staff "Vewoghub" {Fly rElec rC+ Str+5 Int-3
                  | Ice}
208003 | Zig:24   | Entered Level 24 of a ziggurat
208512 | Zig:24   | Identified the ring "Cost" {rElec Will+ Dex+6 Slay+3}
208516 | Zig:24   | Identified the +9 dire flail of Awiyg {freeze, rElec rPois
                  | rF- Dex+3}
208528 | Zig:24   | Identified the ring "Faux" {rPois Int+6 Dex-5 Stlth+}
208537 | Zig:24   | Identified the dragon-blood talisman of the Mantidfly
                  | {rElec rF++ Will- Str-3}
208546 | Zig:24   | Identified the +7 morningstar "Fomoli" {freeze, rN+ Str+4}
208547 | Zig:24   | Identified the +4 scimitar of Inference {flame, ^Contam rC+
                  | Int+5 Dex+3}
208557 | Zig:24   | Identified the +4 morningstar of the Gnat {speed, ^Drain
                  | rElec rPois rN+++}
208565 | Zig:24   | Identified the +1 pair of gloves of Wariness {rCorr Int+2
                  | Dex-4}
208580 | Zig:24   | Identified the +7 eudemon blade "Siburph" {holy, rN+ rCorr
                  | Int+4}
208626 | Zig:25   | Entered Level 25 of a ziggurat
208678 | Zig:25   | Identified the staff of the Coward {rPois rC+ rN+ Necro}
208707 | Zig:25   | Identified the ring of the Gazing Priest {Will+ Slay+2}
208715 | Zig:25   | Identified the +6 plate armour of Ytemp {rElec Will- Regen+
                  | Slay+5}
208717 | Zig:25   | Identified the ring of Juetecad {*Corrode rF+ rC+ Int+9}
208795 | Zig:25   | Identified the ring "Sepena" {Ice Stlth+}
208808 | Zig:25   | Identified the +3 quarterstaff of Fimbulwinter {freeze,
                  | *Rage rN+ Str+8 Int-4}
208816 | Zig:25   | Identified the staff of Xaraug {rPois Dex+6 Stlth- Earth}
208824 | Zig:25   | Identified the +5 rapier of the Enchanting Firefly {elec,
                  | Will++ Dex+3}
208840 | Zig:25   | Identified the +7 halberd of Responsibility {speed, rF+
                  | MP+9 Stlth+}
208842 | Zig:25   | Identified the +1 war axe "Siokhir" {freeze, Will+ rCorr}
209280 | Zig:25   | Identified the +11 short sword "Hell-Harrower" {flame,
                  | rElec rC+ rN+}
209304 | Zig:25   | Identified the +6 eudemon blade "Askoamu" {holy, Str+3
                  | Int+3}
209312 | Zig:26   | Entered Level 26 of a ziggurat
209788 | Zig:26   | Identified the +1 short sword "Jygekiqo" {elec, Will++
                  | Int+4 Dex-4}
209793 | Zig:26   | Identified the +7 arbalest of Light {penet, ^Contam Fly
                  | Int+3 Dex+7}
209809 | Zig:26   | Identified the ring of Odion {Fly rCorr Int+4}
209887 | Zig:26   | Identified the ring "Zixiggoj" {Fly Will- rCorr Dex+5}
209896 | Zig:26   | Identified the ring of Checkmate {Ice rElec}
209900 | Zig:26   | Identified the staff of Dishonour {rN+ Will+ Int+3 Necro}
209901 | Zig:26   | Identified the +3 whip of the Fresh God {freeze, Str+7}
209911 | Zig:26   | Identified the +9 trident of the Traitor {spect, Fly rElec
                  | rF+ Str-2}
209968 | Zig:27   | Entered Level 27 of a ziggurat
210415 | Zig:27   | Identified the +7 falchion "Owodiz" {drain, rC+ Int+2}
210423 | Zig:27   | Identified the +0 robe of Teeqer {^Drain rC- Str+8 Slay+5
                  | SInv}
210425 | Zig:27   | Identified the +3 triple crossbow "Motroute" {flame, ^Drain
                  | rN+ rCorr Int+2}
210438 | Zig:27   | Identified the ring of Dawn {Fly rN+ Int+6 Slay-3}
210440 | Zig:27   | Identified the +4 morningstar "Xegeilaxt" {freeze, +Blink
                  | rPois rC+++ Stlth-}
210442 | Zig:27   | Identified the +1 dagger of Propriety {elec, rElec}
210493 | Depths:3 | Acquired the +3 helmet "Guattoce" {Int+4 Dex+3}
210494 | Depths:3 | Acquired 716 gold pieces
210495 | Depths:3 | Acquired 1320 gold pieces
210496 | Depths:3 | Acquired 650 gold pieces
210497 | Depths:3 | Acquired 251 gold pieces
210498 | Depths:3 | Acquired 753 gold pieces
210506 | Zig:1    | Entered Level 1 of a ziggurat
210506 | Zig:1    | Noticed a royal mummy
210506 | Zig:1    | Noticed a royal mummy
210506 | Zig:1    | Noticed a royal mummy
210507 | Zig:1    | Killed a royal mummy
210507 | Zig:1    | Killed a royal mummy
210508 | Zig:1    | Killed a royal mummy
210597 | Zig:2    | Entered Level 2 of a ziggurat
210597 | Zig:2    | Noticed an ancient lich
210597 | Zig:2    | Noticed an ancient lich
210598 | Zig:2    | Killed an ancient lich
210598 | Zig:2    | Killed an ancient lich
210696 | Zig:3    | Entered Level 3 of a ziggurat
210696 | Zig:3    | Noticed a dread lich
210696 | Zig:3    | Noticed an ancient lich
210696 | Zig:3    | Noticed a dread lich
210696 | Zig:3    | Noticed a dread lich
210696 | Zig:3    | Noticed an ancient lich
210696 | Zig:3    | Noticed an ancient lich
210696 | Zig:3    | Noticed an ancient lich
210696 | Zig:3    | Noticed a dread lich
210696 | Zig:3    | Noticed a dread lich
210697 | Zig:3    | Killed a dread lich
210697 | Zig:3    | Killed a dread lich
210697 | Zig:3    | Killed an ancient lich
210697 | Zig:3    | Killed an ancient lich
210698 | Zig:3    | Killed an ancient lich
210698 | Zig:3    | Killed a dread lich
210698 | Zig:3    | Killed a dread lich
210698 | Zig:3    | Killed an ancient lich
210698 | Zig:3    | Killed a dread lich
210698 | Zig:3    | Noticed an ancient lich
210698 | Zig:3    | Noticed an ancient lich
210698 | Zig:3    | Noticed an ancient lich
210699 | Zig:3    | Noticed a dread lich
210701 | Zig:3    | Killed an ancient lich
210701 | Zig:3    | Killed an ancient lich
210701 | Zig:3    | Killed an ancient lich
210701 | Zig:3    | Killed a dread lich
210744 | Zig:3    | Identified the +0 leather armour of Sandy Tender Moments
                  | {Int+3}
210835 | Zig:4    | Entered Level 4 of a ziggurat
210835 | Zig:4    | Noticed a dread lich
210835 | Zig:4    | Noticed an ancient lich
210835 | Zig:4    | Noticed a dread lich
210835 | Zig:4    | Noticed a dread lich
210835 | Zig:4    | Noticed an ancient lich
210835 | Zig:4    | Noticed an ancient lich
210835 | Zig:4    | Noticed an ancient lich
210836 | Zig:4    | Killed an ancient lich
210836 | Zig:4    | Killed an ancient lich
210836 | Zig:4    | Killed an ancient lich
210836 | Zig:4    | Killed a dread lich
210836 | Zig:4    | Killed a dread lich
210837 | Zig:4    | Noticed a dread lich
210838 | Zig:4    | Killed an ancient lich
210838 | Zig:4    | Killed a dread lich
210838 | Zig:4    | Killed a dread lich
210839 | Zig:4    | Noticed a dread lich
210839 | Zig:4    | Noticed a dread lich
210840 | Zig:4    | Noticed an ancient lich
210840 | Zig:4    | Noticed an ancient lich
210841 | Zig:4    | Killed a dread lich
210841 | Zig:4    | Killed an ancient lich
210841 | Zig:4    | Killed an ancient lich
210841 | Zig:4    | Killed a dread lich
210946 | Zig:4    | Identified the +1 longbow of Conflict {flame, rElec rPois
                  | rC++ Str-3}
211013 | Zig:5    | Entered Level 5 of a ziggurat
211251 | Zig:6    | Entered Level 6 of a ziggurat
211433 | Zig:6    | Identified the +5 war axe "Qidij" {heavy, rPois Will+}
211451 | Zig:6    | Identified the +2 cloak of Dithmenos, Hurtling {rCorr}
211454 | Zig:6    | Identified the +1 robe of the Stone Wall {Fly rPois Will-
                  | Stlth+}
211491 | Zig:7    | Entered Level 7 of a ziggurat
211491 | Zig:7    | Noticed an ancient lich
211491 | Zig:7    | Noticed an ancient lich
211491 | Zig:7    | Noticed an ancient lich
211491 | Zig:7    | Noticed an ancient lich
211492 | Zig:7    | Killed an ancient lich
211493 | Zig:7    | Killed an ancient lich
211493 | Zig:7    | Killed an ancient lich
211493 | Zig:7    | Killed an ancient lich
211493 | Zig:7    | Noticed an ancient lich
211496 | Zig:7    | Noticed an ancient lich
211498 | Zig:7    | Killed an ancient lich
211498 | Zig:7    | Killed an ancient lich
211502 | Zig:7    | Noticed an ancient lich
211502 | Zig:7    | Noticed an ancient lich
211503 | Zig:7    | Killed an ancient lich
211505 | Zig:7    | Killed an ancient lich
211519 | Zig:7    | Identified the ring of Autumn {^Contam +Blink rElec rCorr
                  | Dex+6}
211556 | Zig:7    | Identified the ring "Mitzaawaa" {MP+9 Stlth+}
211578 | Zig:7    | Identified the +1 scimitar "Qymmu" {freeze, rC+ Str+5}
211583 | Zig:7    | Identified the +4 long sword "Horgh" {freeze, rF+ Dex+5}
211584 | Zig:7    | Identified the +2 eudemon blade of Vecem {holy, *Slow rPois
                  | rF- Stlth+}
211783 | Zig:8    | Entered Level 8 of a ziggurat
212004 | Zig:8    | Identified the +11 eudemon blade "Cubanaid" {holy, rN+
                  | Str+2}
212005 | Zig:8    | Identified the staff "Kobooziq" {Str-2 Int+5 Stlth+ Conj
                  | Alchemy}
212009 | Zig:8    | Identified the +8 great sword of Calamity {pain, *Slow Fly
                  | Dex+4}
212021 | Zig:8    | Identified the +6 battleaxe of Oxtoc {flame, rF- rC+ rCorr
                  | Dex+2}
212024 | Zig:8    | Identified the +6 scale mail "Emuph" {Regen+ Int+2}
212031 | Zig:8    | Identified the +6 eudemon blade "Newt's Demise" {holy,
                  | Will+}
212081 | Zig:9    | Entered Level 9 of a ziggurat
212081 | Zig:9    | Noticed an ancient lich
212081 | Zig:9    | Noticed an ancient lich
212082 | Zig:9    | Killed an ancient lich
212082 | Zig:9    | Killed an ancient lich
212083 | Zig:9    | Noticed an ancient lich
212084 | Zig:9    | Noticed an ancient lich
212085 | Zig:9    | Killed an ancient lich
212085 | Zig:9    | Killed an ancient lich
212089 | Zig:9    | Noticed an ancient lich
212090 | Zig:9    | Noticed an ancient lich
212090 | Zig:9    | Killed an ancient lich
212090 | Zig:9    | Killed an ancient lich
212090 | Zig:9    | Noticed an ancient lich
212092 | Zig:9    | Killed an ancient lich
212093 | Zig:9    | Noticed an ancient lich
212093 | Zig:9    | Noticed an ancient lich
212093 | Zig:9    | Noticed an ancient lich
212093 | Zig:9    | Noticed an ancient lich
212094 | Zig:9    | Killed an ancient lich
212094 | Zig:9    | Killed an ancient lich
212095 | Zig:9    | Killed an ancient lich
212096 | Zig:9    | Killed an ancient lich
212132 | Zig:9    | Identified the orb of Eternal Vigilance {*Rage, +Blink Fly
                  | rPois MP+9}
212133 | Zig:9    | Identified the +6 halberd of Infinity {chaos, rElec rC++}
212187 | Zig:9    | Identified the staff "Esouz" {Will+ Earth}
212191 | Zig:9    | Identified the +8 dagger "Peolixko" {freeze, Str+5 Int+3}
212194 | Zig:9    | Identified the +5 orcbow of Doom {heavy, rElec}
212397 | Zig:9    | Identified the staff of Blue Absolution {^Drain rElec rN+++
                  | Str+6 Dex-2 Air}
212409 | Zig:10   | Entered Level 10 of a ziggurat
212758 | Zig:10   | Identified the +1 war axe of the Extremes {holy, *Corrode
                  | rF+ Str-3 Dex+8}
212760 | Zig:10   | Identified the +1 ring mail "Fiubbun" {+Blink rF+ rN+}
212778 | Zig:10   | Identified the ring "Wudiatze" {rN+ Int+6 Dex+3 Stlth+}
212793 | Zig:10   | Identified the +7 flail of Jaon {venom, rF+}
212796 | Zig:10   | Identified the +8 eudemon blade of Imomicod {holy, *Noise
                  | Int+3 Stlth+}
212826 | Zig:11   | Entered Level 11 of a ziggurat
212826 | Zig:11   | Noticed a dread lich
212826 | Zig:11   | Noticed a dread lich
212826 | Zig:11   | Noticed a dread lich
212826 | Zig:11   | Noticed an ancient lich
212826 | Zig:11   | Noticed an ancient lich
212827 | Zig:11   | Killed an ancient lich
212827 | Zig:11   | Killed a dread lich
212828 | Zig:11   | Killed an ancient lich
212828 | Zig:11   | Killed a dread lich
212828 | Zig:11   | Killed a dread lich
212828 | Zig:11   | Noticed an ancient lich
212828 | Zig:11   | Noticed an ancient lich
212828 | Zig:11   | Noticed an ancient lich
212829 | Zig:11   | Noticed a dread lich
212829 | Zig:11   | Noticed a dread lich
212829 | Zig:11   | Noticed an ancient lich
212830 | Zig:11   | Killed an ancient lich
212830 | Zig:11   | Killed a dread lich
212830 | Zig:11   | Noticed an ancient lich
212831 | Zig:11   | Noticed an ancient lich
212832 | Zig:11   | Noticed an ancient lich
212832 | Zig:11   | Killed an ancient lich
212832 | Zig:11   | Killed a dread lich
212832 | Zig:11   | Killed an ancient lich
212832 | Zig:11   | Killed an ancient lich
212833 | Zig:11   | Killed an ancient lich
212833 | Zig:11   | Noticed an ancient lich
212833 | Zig:11   | Noticed an ancient lich
212833 | Zig:11   | Noticed an ancient lich
212834 | Zig:11   | Noticed an ancient lich
212834 | Zig:11   | Noticed an ancient lich
212835 | Zig:11   | Killed an ancient lich
212835 | Zig:11   | Killed an ancient lich
212835 | Zig:11   | Killed an ancient lich
212835 | Zig:11   | Killed an ancient lich
212835 | Zig:11   | Killed an ancient lich
212836 | Zig:11   | Killed an ancient lich
212836 | Zig:11   | Killed a dread lich
212836 | Zig:11   | Killed an ancient lich
212836 | Zig:11   | Noticed a dread lich
212837 | Zig:11   | Noticed an ancient lich
212837 | Zig:11   | Noticed an ancient lich
212838 | Zig:11   | Noticed a dread lich
212838 | Zig:11   | Noticed an ancient lich
212839 | Zig:11   | Killed a dread lich
212839 | Zig:11   | Killed an ancient lich
212840 | Zig:11   | Killed an ancient lich
212840 | Zig:11   | Killed an ancient lich
212840 | Zig:11   | Killed a dread lich
212840 | Zig:11   | Noticed a dread lich
212841 | Zig:11   | Noticed an ancient lich
212841 | Zig:11   | Noticed an ancient lich
212842 | Zig:11   | Killed an ancient lich
212842 | Zig:11   | Killed an ancient lich
212842 | Zig:11   | Noticed an ancient lich
212842 | Zig:11   | Noticed an ancient lich
212843 | Zig:11   | Killed a dread lich
212844 | Zig:11   | Noticed an ancient lich
212845 | Zig:11   | Killed an ancient lich
212845 | Zig:11   | Killed an ancient lich
212845 | Zig:11   | Killed an ancient lich
212845 | Zig:11   | Noticed a dread lich
212846 | Zig:11   | Noticed an ancient lich
212846 | Zig:11   | Noticed a dread lich
212847 | Zig:11   | Killed a dread lich
212847 | Zig:11   | Killed an ancient lich
212848 | Zig:11   | Killed a dread lich
212852 | Zig:11   | Noticed a dread lich
212852 | Zig:11   | Noticed an ancient lich
212853 | Zig:11   | Killed a dread lich
212853 | Zig:11   | Killed an ancient lich
212886 | Zig:11   | Identified the +1 pair of gloves "Jaargh" {rF+ Str+5}
212894 | Zig:11   | Identified the +3 long sword of the Howling One {vamp,
                  | Dex+3}
212895 | Zig:11   | Identified the ring of the Winnowing Pariah {*Slow rPois
                  | rF+ rN++ EV+5}
212897 | Zig:11   | Identified the staff of the Holding Visionary {rElec Air
                  | Earth}
212914 | Zig:11   | Identified the +1 flail of Biejius {flame, rElec Int+3
                  | Dex-2 SInv}
212947 | Zig:11   | Identified the amulet of the Red Skies {Reflect Rampage rF-
                  | Str+6 SH+5}
212957 | Zig:11   | Identified the +2 leather armour "Gotetoxi" {Str+3 Int-4
                  | Dex+6 SInv}
213200 | Zig:12   | Entered Level 12 of a ziggurat
213229 | Zig:12   | Identified the +1 eudemon blade of the Evil Eye {holy,
                  | Int+4}
213643 | Zig:12   | Identified the +2 sling of Yniyceolij {freeze, +Blink SInv}
213652 | Zig:12   | Identified the +6 battleaxe of Enuar {holy, rPois rF+
                  | Int+3}
213664 | Zig:13   | Entered Level 13 of a ziggurat
213664 | Zig:13   | Noticed a juggernaut
213664 | Zig:13   | Noticed a juggernaut
213664 | Zig:13   | Noticed a juggernaut
213664 | Zig:13   | Noticed a juggernaut
213664 | Zig:13   | Noticed a juggernaut
213664 | Zig:13   | Noticed a juggernaut
213664 | Zig:13   | Noticed a juggernaut
213664 | Zig:13   | Noticed a juggernaut
213665 | Zig:13   | Killed a juggernaut
213666 | Zig:13   | Killed a juggernaut
213666 | Zig:13   | Killed a juggernaut
213666 | Zig:13   | Killed a juggernaut
213666 | Zig:13   | Killed a juggernaut
213666 | Zig:13   | Killed a juggernaut
213668 | Zig:13   | Killed a juggernaut
213668 | Zig:13   | Killed a juggernaut
213669 | Zig:13   | Noticed a juggernaut
213670 | Zig:13   | Noticed a juggernaut
213672 | Zig:13   | Killed a juggernaut
213673 | Zig:13   | Noticed a juggernaut
213674 | Zig:13   | Noticed a juggernaut
213674 | Zig:13   | Killed a juggernaut
213676 | Zig:13   | Killed a juggernaut
213676 | Zig:13   | Killed a juggernaut
213676 | Zig:13   | Noticed a juggernaut
213677 | Zig:13   | Noticed a juggernaut
213680 | Zig:13   | Killed a juggernaut
213681 | Zig:13   | Noticed a juggernaut
213681 | Zig:13   | Noticed a juggernaut
213682 | Zig:13   | Killed a juggernaut
213682 | Zig:13   | Killed a juggernaut
213683 | Zig:13   | Noticed a juggernaut
213683 | Zig:13   | Noticed a juggernaut
213684 | Zig:13   | Noticed a juggernaut
213686 | Zig:13   | Killed a juggernaut
213686 | Zig:13   | Killed a juggernaut
213686 | Zig:13   | Killed a juggernaut
213688 | Zig:13   | Killed a juggernaut
213722 | Zig:13   | Identified the +3 scimitar of Ascent {venom, Will+}
213733 | Zig:13   | Identified the +8 eudemon blade of Disaster {holy, rN++}
213737 | Zig:13   | Identified the amulet "Yqisirapho" {Reflect rPois Will++
                  | Regen+ Int-4 SH+5}
213744 | Zig:13   | Identified the +3 demon trident "Zumut" {vamp, rN+ Stlth+}
213761 | Zig:13   | Identified the +4 war axe of Currency {spect, Int+5 Dex+2}
213763 | Zig:13   | Identified the +0 ring mail of the Mind {rElec Str-4 Int+2
                  | Dex+5}
213776 | Zig:13   | Identified the amulet of Gasodoaf {Faith rN+ Str-4 Dex+2}
214262 | Zig:14   | Entered Level 14 of a ziggurat
214791 | Zig:14   | Identified the +3 ring mail "Cakupugo" {rF+ rC- rN+}
214794 | Zig:14   | Identified the amulet "Tetz" {Acrobat ^Contam rPois Str+9
                  | Int+2}
214798 | Zig:14   | Identified the +2 hand axe of the Peculiar Bones {holy,
                  | *Rage rElec Will++ SInv}
214801 | Zig:14   | Identified the +2 leather armour of Eqe Qodiost {-Tele rF+
                  | Will+}
214871 | Zig:15   | Entered Level 15 of a ziggurat
215282 | Zig:15   | Identified the staff of the Seven Shrikes {rC+ rN+ rCorr
                  | Stlth- Ice Air}
215294 | Zig:15   | Identified the amulet of Zozeinoo {Reflect rF- rCorr Int+3
                  | SH+5 SInv}
215310 | Zig:15   | Identified the ring of Refuokh {Fly Dex+3}
215334 | Zig:15   | Identified the +5 falchion of the Fortifying Vulture {holy,
                  | SInv}
215337 | Zig:15   | Identified the +9 orcbow "Kott" {flame, rElec rF+ Int-5}
215343 | Zig:15   | Identified the staff of Checkmate {Dex+5 Earth}
215351 | Zig:16   | Entered Level 16 of a ziggurat
215391 | Zig:16   | Killed a starcursed mass
215926 | Zig:16   | Identified the +1 pair of boots of the Sailor {rF+}
215939 | Zig:16   | Identified the +3 leather armour of the Vaults {rF- rC+
                  | rCorr Dex+7}
215943 | Zig:16   | Identified the +9 war axe "Neduzif" {venom, rN++}
215970 | Zig:16   | Identified the +4 eudemon blade "Worm's Wrath" {holy, rN+
                  | Will+ Int+3 Dex-2}
215978 | Zig:16   | Identified the ring "Vemnyts" {Fly rPois Int+4 Stlth-}
215984 | Zig:16   | Identified the staff "Beetle's Bane" {rC+ Stlth+ Ice Air}
215987 | Zig:16   | Identified the ring "Miwaapt" {rF+ Str+4}
216045 | Zig:17   | Entered Level 17 of a ziggurat
216090 | Zig:17   | Identified the +5 flail "Ceresyot" {flame, ^Drain rPois
                  | rN+++ Dex+4}
216095 | Zig:17   | Identified the +0 short sword "Worm's Wrath" {heavy, rPois
                  | rC+ Str+3 Dex-3}
216148 | Zig:17   | Identified the +2 battleaxe of Weboh {elec, *Corrode Int+4}
216159 | Zig:17   | Identified the +8 chain mail of Tang {rN+ rCorr}
216179 | Zig:17   | Identified the ring "Nucutz" {rCorr Str+3}
216188 | Zig:17   | Identified the amulet "Kyfief" {Spirit rF+}
216197 | Zig:17   | Identified the staff of Experimentation {*Corrode rElec
                  | rC++ Str+3 SInv Air}
216199 | Zig:17   | Identified the +6 orcbow of the Forsaken Brambles {freeze,
                  | Str+2}
216655 | Zig:17   | Identified the +0 buckler of Midwinter {Harm rF++ rC-}
216670 | Zig:18   | Entered Level 18 of a ziggurat
216688 | Zig:18   | Paralysed by an air elemental for 1 turns
217248 | Zig:18   | Identified the ring of the Pariah {Fly rC+ Will- rCorr
                  | Dex+4}
217250 | Zig:18   | Identified the amulet "Uqus" {Regen+ Slay+2}
217261 | Zig:18   | Identified the staff "Talettick" {^Fragile rN+ rCorr Str+5
                  | Necro}
217268 | Zig:18   | Identified the +5 short sword "Arugg" {freeze, Int+3}
217278 | Zig:18   | Identified the +2 robe of Indemnity {rElec rC+}
217281 | Zig:18   | Identified the +2 falchion of Xom's Fury {flame, rN+ Will+
                  | MP+9 Dex-2}
217294 | Zig:18   | Identified the ring "Jafimuz" {Ice rElec Will+ Str-2 SInv}
217312 | Zig:18   | Identified the ring of Jealousy {Will+ Dex+5}
217369 | Zig:19   | Entered Level 19 of a ziggurat
217422 | Zig:19   | Identified the staff of Kikubaaqudgha {rElec rN+ Will-
                  | Int+3 Necro}
217463 | Zig:19   | Identified the +0 short sword of the Philosopher {pain,
                  | rElec rC+}
217464 | Zig:19   | Identified the staff "Kugythreg" {Fly rPois Int-4 SInv
                  | Earth}
217469 | Zig:19   | Identified the staff of Rexuen {^Fragile rElec rF++ Will++
                  | Air}
217503 | Zig:19   | Identified the ring of Mifit {rN+++ Will++ MP+9 Dex-3}
217516 | Zig:19   | Identified the +8 dire flail of Yggucur {elec, Int+4}
217995 | Zig:20   | Entered Level 20 of a ziggurat
218064 | Zig:20   | Noticed Moroemo the pandemonium lord
218079 | Zig:20   | Killed Moroemo the pandemonium lord
218513 | Zig:20   | Identified the dragon-blood talisman of Tartarus {Stlth+}
218516 | Zig:20   | Identified the +0 buckler of Privacy {Str+6 Int-4}
218527 | Zig:20   | Identified the +0 leather armour "Reliregg" {+Inv rCorr
                  | Str+5 Int-4}
218534 | Zig:20   | Identified the +4 eveningstar of Biomism {venom, rCorr}
218538 | Zig:20   | Identified the +1 ring mail "Qyskock" {rCorr Str+2}
218541 | Zig:20   | Identified the ring "Duur Lech" {rN+ Int+6}
218543 | Zig:20   | Identified the +1 robe "Qifianut" {Harm Dex+3}
218549 | Zig:20   | Identified the +10 sling of Wrath {drain, rF- rC+ Dex+3
                  | Stlth+}
218555 | Zig:20   | Identified the +1 plate armour of the Dungeon {-Tele Will+
                  | Str+6 Int+2}
218557 | Zig:20   | Identified the +2 robe "Ebud" {Str+6 Dex+2}
218561 | Zig:20   | Identified the +9 morningstar "Demonspawn's Foe" {pain,
                  | Stlth+}
218562 | Zig:20   | Identified the ring of Wiuluir {Fire Str+10 Int-3}
218564 | Zig:20   | Identified the ring "Gyrhis" {Wiz rPois Str-5 Dex+3}
218570 | Zig:20   | Identified the +0 shortbow of Fedhas, Flying {drain, rPois
                  | rCorr MP+9}
218584 | Zig:20   | Identified the +6 spear of Bicon {venom, ^Fragile rPois
                  | Dex+5}
218615 | Zig:21   | Entered Level 21 of a ziggurat
218624 | Zig:21   | Noticed a dread lich
218625 | Zig:21   | Killed a dread lich
218818 | Zig:21   | Identified the +4 hand axe "Embalmer" {freeze, *Slow rF++
                  | MP+9 Stlth+}
219166 | Zig:22   | Entered Level 22 of a ziggurat
219745 | Zig:22   | Identified the amulet of the Building Scavenger {Faith rC+
                  | Will+}
219764 | Zig:22   | Identified the ring "Enuduom" {rElec rC- Will+ Dex+4}
219775 | Zig:22   | Identified the +11 plate armour "Jelic" {+Inv Str+7 Dex+3
                  | Stlth-}
219787 | Zig:22   | Identified the +0 pair of boots of Twilight {Dex+3}
219791 | Zig:22   | Identified the staff of Wyrd {rPois Dex+3 Alchemy}
219806 | Zig:22   | Identified the staff of Odwuh {rF+ Conj Hexes Fire}
219809 | Zig:22   | Identified the +8 long sword of Disaster {antimagic, Str+4
                  | SInv}
219820 | Zig:22   | Identified the +1 leather armour "Kanehaem" {Fly rPois rF+}
219826 | Zig:22   | Identified the staff "Woured" {rF+ rC- Dex+4 Fire}
219829 | Zig:22   | Identified the staff of the World {rN+ Will- Dex+8 Necro}
219838 | Zig:22   | Identified the staff of the Howling Moth {+Blink rF+ Stlth+
                  | Hexes Fire Alchemy}
219839 | Zig:22   | Identified the +0 crystal plate armour of the Lotus Blossom
                  | {rElec Str+3}
219841 | Zig:22   | Identified the ring of the Threshing Gods {rElec rC+ Str-5
                  | Dex+7 SInv}
219843 | Zig:22   | Identified the +4 ring mail of Courage {*Slow rPois rCorr
                  | Dex+3}
219919 | Zig:23   | Entered Level 23 of a ziggurat
219993 | Zig:23   | Paralysed by a wendigo for 1 turns
220093 | Zig:23   | Noticed a dread lich
220124 | Zig:23   | Killed a dread lich
220166 | Zig:23   | Noticed a dread lich
220187 | Zig:23   | Killed a dread lich
220272 | Zig:23   | Identified the +0 scale mail of Xug Jeps {-Cast rF+ Str+2}
220276 | Zig:23   | Identified the ring "Astruitu" {Fly rC+}
220289 | Zig:23   | Identified the staff of Perversion {rElec rPois MP+9 Str+3
                  | Alchemy}
220317 | Zig:23   | Identified the ring of Ibougid {rF+ Dex-5 Slay+4}
220337 | Zig:23   | Identified the +4 ring mail of Imiugett {rElec}
220923 | Zig:24   | Entered Level 24 of a ziggurat
220931 | Zig:24   | Noticed a dread lich
220932 | Zig:24   | Noticed a dread lich
220932 | Zig:24   | Noticed a dread lich
220933 | Zig:24   | Killed a dread lich
220933 | Zig:24   | Killed a dread lich
220933 | Zig:24   | Noticed a dread lich
220934 | Zig:24   | Killed a dread lich
220935 | Zig:24   | Noticed an ancient lich
220935 | Zig:24   | Noticed a dread lich
220935 | Zig:24   | Noticed a dread lich
220936 | Zig:24   | Noticed a dread lich
220936 | Zig:24   | Killed a dread lich
220936 | Zig:24   | Killed an ancient lich
220936 | Zig:24   | Noticed a dread lich
220937 | Zig:24   | Killed a dread lich
220937 | Zig:24   | Killed a dread lich
220937 | Zig:24   | Killed a dread lich
220938 | Zig:24   | Killed a dread lich
220938 | Zig:24   | Noticed a dread lich
220939 | Zig:24   | Noticed a dread lich
220940 | Zig:24   | Noticed a dread lich
220941 | Zig:24   | Killed a dread lich
220941 | Zig:24   | Killed a dread lich
220941 | Zig:24   | Noticed a dread lich
220941 | Zig:24   | Noticed a dread lich
220942 | Zig:24   | Killed a dread lich
220942 | Zig:24   | Noticed a dread lich
220942 | Zig:24   | Noticed an ancient lich
220942 | Zig:24   | Noticed a dread lich
220943 | Zig:24   | Killed a dread lich
220943 | Zig:24   | Killed a dread lich
220944 | Zig:24   | Killed a dread lich
220944 | Zig:24   | Killed an ancient lich
220944 | Zig:24   | Killed a dread lich
220944 | Zig:24   | Noticed a dread lich
220944 | Zig:24   | Noticed a dread lich
220944 | Zig:24   | Noticed an ancient lich
220944 | Zig:24   | Noticed an ancient lich
220944 | Zig:24   | Noticed an ancient lich
220945 | Zig:24   | Killed an ancient lich
220945 | Zig:24   | Killed a dread lich
220945 | Zig:24   | Killed a dread lich
220945 | Zig:24   | Noticed a dread lich
220945 | Zig:24   | Noticed an ancient lich
220945 | Zig:24   | Noticed an ancient lich
220946 | Zig:24   | Killed a dread lich
220946 | Zig:24   | Killed an ancient lich
220946 | Zig:24   | Killed an ancient lich
220946 | Zig:24   | Noticed a dread lich
220947 | Zig:24   | Killed an ancient lich
220947 | Zig:24   | Noticed a dread lich
220947 | Zig:24   | Noticed an ancient lich
220947 | Zig:24   | Noticed a dread lich
220947 | Zig:24   | Noticed an ancient lich
220947 | Zig:24   | Noticed an ancient lich
220948 | Zig:24   | Killed a dread lich
220948 | Zig:24   | Killed a dread lich
220948 | Zig:24   | Killed an ancient lich
220948 | Zig:24   | Noticed a dread lich
220948 | Zig:24   | Noticed a dread lich
220948 | Zig:24   | Noticed an ancient lich
220948 | Zig:24   | Noticed an ancient lich
220949 | Zig:24   | Killed an ancient lich
220949 | Zig:24   | Killed an ancient lich
220949 | Zig:24   | Killed a dread lich
220949 | Zig:24   | Killed an ancient lich
220949 | Zig:24   | Killed an ancient lich
220949 | Zig:24   | Killed a dread lich
220949 | Zig:24   | Killed an ancient lich
220950 | Zig:24   | Killed a dread lich
220950 | Zig:24   | Noticed an ancient lich
220950 | Zig:24   | Noticed a dread lich
220951 | Zig:24   | Noticed a dread lich
220951 | Zig:24   | Noticed an ancient lich
220951 | Zig:24   | Noticed a dread lich
220951 | Zig:24   | Noticed a dread lich
220951 | Zig:24   | Noticed an ancient lich
220952 | Zig:24   | Killed an ancient lich
220952 | Zig:24   | Killed an ancient lich
220952 | Zig:24   | Killed a dread lich
220952 | Zig:24   | Killed a dread lich
220954 | Zig:24   | Killed a dread lich
220954 | Zig:24   | Killed a dread lich
220954 | Zig:24   | Killed an ancient lich
220954 | Zig:24   | Noticed a dread lich
220954 | Zig:24   | Noticed a dread lich
220955 | Zig:24   | Killed a dread lich
220955 | Zig:24   | Killed a dread lich
220956 | Zig:24   | Noticed a dread lich
220957 | Zig:24   | Killed a dread lich
220957 | Zig:24   | Noticed an ancient lich
220958 | Zig:24   | Noticed a dread lich
220958 | Zig:24   | Noticed a dread lich
220959 | Zig:24   | Killed an ancient lich
220959 | Zig:24   | Killed a dread lich
220959 | Zig:24   | Noticed a dread lich
220959 | Zig:24   | Noticed an ancient lich
220959 | Zig:24   | Noticed an ancient lich
220960 | Zig:24   | Killed an ancient lich
220962 | Zig:24   | Killed an ancient lich
220962 | Zig:24   | Killed a dread lich
220963 | Zig:24   | Killed a dread lich
220964 | Zig:24   | Noticed an ancient lich
220965 | Zig:24   | Killed an ancient lich
220966 | Zig:24   | Noticed a dread lich
220967 | Zig:24   | Noticed a dread lich
220967 | Zig:24   | Noticed an ancient lich
220968 | Zig:24   | Killed a dread lich
220968 | Zig:24   | Killed an ancient lich
220969 | Zig:24   | Killed a dread lich
220969 | Zig:24   | Noticed an ancient lich
220970 | Zig:24   | Noticed a dread lich
220971 | Zig:24   | Killed an ancient lich
220971 | Zig:24   | Killed a dread lich
220972 | Zig:24   | Noticed an ancient lich
220972 | Zig:24   | Noticed a dread lich
220972 | Zig:24   | Noticed an ancient lich
220972 | Zig:24   | Noticed a dread lich
220973 | Zig:24   | Killed an ancient lich
220973 | Zig:24   | Killed an ancient lich
220974 | Zig:24   | Killed a dread lich
220974 | Zig:24   | Killed a dread lich
220975 | Zig:24   | Noticed an ancient lich
220975 | Zig:24   | Noticed an ancient lich
220976 | Zig:24   | Killed an ancient lich
220977 | Zig:24   | Noticed an ancient lich
220977 | Zig:24   | Killed an ancient lich
220977 | Zig:24   | Killed an ancient lich
220978 | Zig:24   | Noticed a dread lich
220978 | Zig:24   | Noticed an ancient lich
220979 | Zig:24   | Noticed a dread lich
220979 | Zig:24   | Noticed a dread lich
220980 | Zig:24   | Killed a dread lich
220981 | Zig:24   | Noticed an ancient lich
220981 | Zig:24   | Noticed an ancient lich
220981 | Zig:24   | Noticed a dread lich
220981 | Zig:24   | Noticed a dread lich
220982 | Zig:24   | Killed an ancient lich
220982 | Zig:24   | Killed a dread lich
220982 | Zig:24   | Killed an ancient lich
220982 | Zig:24   | Killed a dread lich
220982 | Zig:24   | Killed a dread lich
220982 | Zig:24   | Killed a dread lich
220983 | Zig:24   | Killed an ancient lich
220983 | Zig:24   | Noticed a dread lich
220985 | Zig:24   | Noticed a dread lich
220985 | Zig:24   | Killed a dread lich
220985 | Zig:24   | Killed a dread lich
221020 | Zig:24   | Identified the +1 mace of Equivalence {antimagic, Int+3}
221030 | Zig:24   | Identified the amulet "Firphi" {Will++ Regen+}
221050 | Zig:24   | Identified the staff "Rubunik" {rF+ rN+ Necro Tloc}
221053 | Zig:24   | Identified the staff of the Scorpion {*Slow rPois rF+ rN+
                  | Tloc Alchemy}
221054 | Zig:24   | Identified the +6 short sword "Fofeing" {antimagic, rElec
                  | rF+ Str+2}
221059 | Zig:24   | Identified the +5 plate armour of Oqyn {*Slow rC- rN++
                  | Will+++}
221070 | Zig:24   | Identified the +2 war axe of Reinforcement {flame, *Noise
                  | Dex+5 Stlth+}
221077 | Zig:24   | Identified the staff of Poalul {Conj Earth}
221473 | Zig:25   | Entered Level 25 of a ziggurat
222184 | Zig:25   | Identified the +11 sling of Temauh {heavy, Will+ Str+4
                  | Dex+3}
222185 | Zig:25   | Identified the ring "Cosiheat" {rElec rPois rF+ rC+ Int+6}
222194 | Zig:25   | Identified the +1 leather armour of the Endless Expanse
                  | {rPois}
222205 | Zig:25   | Identified the +4 long sword of Jikhlacea {flame, Int+3}
222210 | Zig:25   | Identified the +1 glaive of Intimidation {drain, rElec
                  | rPois Will- Dex+8}
222304 | Zig:26   | Entered Level 26 of a ziggurat
222332 | Zig:26   | Noticed an ancient lich
222333 | Zig:26   | Killed an ancient lich
222338 | Zig:26   | Noticed an ancient lich
222340 | Zig:26   | Killed an ancient lich
222386 | Zig:26   | Identified the +4 eudemon blade "Worm" {holy, Will- rCorr
                  | Int+6 Stlth+}
222405 | Zig:26   | Identified the +0 chain mail of the Shouting Gods {Fly
                  | Int-4 SInv}
222413 | Zig:26   | Identified the +0 ring mail of Springtime {rPois rN+}
222417 | Zig:26   | Identified the ring "Deozucli" {Fly Int+4}
222422 | Zig:26   | Identified the ring of the Madman {+Blink rCorr Int+4
                  | Slay+2}
222431 | Zig:26   | Identified the +1 war axe "Ohiri" {pain, rElec}
222436 | Zig:26   | Identified the amulet of Ru's Condemnation {Reflect rElec
                  | SH+5}
222457 | Zig:26   | Identified the +3 scale mail of Ililiof {rC- Str+2 Int+3
                  | Dex+3}
222463 | Zig:26   | Identified the staff of Extremism {rPois Summ Alchemy}
222474 | Zig:26   | Identified the +1 helmet "Waorioke" {rF+ rCorr}
222479 | Zig:26   | Identified the +5 quarterstaff of Superiority {heavy,
                  | *Noise rN+ Will+ rCorr}
222489 | Zig:26   | Identified the amulet "Icloq" {rF- Regen+ Str+4}
223072 | Zig:27   | Entered Level 27 of a ziggurat
223244 | Zig:27   | Identified the +3 rapier of Uwuek {flame, *Corrode +Blink
                  | rElec}
223246 | Zig:27   | Identified the +1 scale mail of Youthful Indiscretion {rF+
                  | Str+2}
223247 | Zig:27   | Identified the ring "Taghiestru" {Fly Int+8}
223250 | Zig:27   | Identified the staff of Massacring {rF+ rN+ Fire}
223256 | Zig:27   | Identified the +3 ring mail "Boledeza" {rCorr Slay+2}
223262 | Zig:27   | Identified the +7 scimitar of the Festooned God {spect,
                  | Int+2}
223263 | Zig:27   | Identified the staff of Puorghiy {Int+6 Dex+3 Earth}
223269 | Zig:27   | Identified the staff of the Eternal Warrior {*Slow rPois
                  | rF+ Necro Alchemy}
223278 | Zig:27   | Identified the ring "Jouxops" {rElec rCorr}
223286 | Zig:27   | Identified the +9 whip "Katt" {flame, Will++ Dex+3}
223293 | Zig:27   | Identified the staff of Conformity {^Contam *Slow rPois
                  | Int+5 Tloc Alchemy}
223299 | Zig:27   | Identified the ring "Roptejia" {Wiz rF+ rC+ Str-3}
223300 | Zig:27   | Identified the +0 leather armour "Lapuenle" {rPois rN+
                  | Int-4 Dex+3}
223323 | Zig:27   | Identified the +9 orcbow of Remoog {drain, MP+9}
223360 | Zig:27   | Identified the +1 scale mail of the True Pharaoh {Str+3
                  | Dex+5}
223363 | Zig:27   | Identified the +0 ring mail of Qaumimo {Dex+4}
223369 | Zig:27   | Identified the +10 war axe "Vach" {freeze, Fly Int-2 Dex+5}
223630 | Zig:27   | Identified the ring of Negool {rC+ rCorr Str+2 Dex+6}
223645 | Zig:27   | Identified the +0 robe of the Bedazzled God {Int+5}
224003 | Zig:1    | Entered Level 1 of a ziggurat
224003 | Zig:1    | Noticed Joas the pandemonium lord
224003 | Zig:1    | Noticed Penuzor the pandemonium lord
224003 | Zig:1    | Noticed Jevuk the pandemonium lord
224003 | Zig:1    | Noticed Gudaec the pandemonium lord
224006 | Zig:1    | Killed Joas the pandemonium lord
224007 | Zig:1    | Killed Jevuk the pandemonium lord
224007 | Zig:1    | Killed Gudaec the pandemonium lord
224011 | Zig:1    | Killed Penuzor the pandemonium lord
224085 | Zig:2    | Entered Level 2 of a ziggurat
224085 | Zig:2    | Noticed a juggernaut
224085 | Zig:2    | Noticed a juggernaut
224085 | Zig:2    | Noticed a juggernaut
224086 | Zig:2    | Killed a juggernaut
224087 | Zig:2    | Killed a juggernaut
224088 | Zig:2    | Killed a juggernaut
224187 | Zig:3    | Entered Level 3 of a ziggurat
224226 | Zig:3    | Identified the ring of Weiragat {rPois SInv}
224264 | Zig:3    | Identified the +3 trident of Sequestration {protect, rPois
                  | Str+2}
224364 | Zig:4    | Entered Level 4 of a ziggurat
224364 | Zig:4    | Noticed a dread lich
224364 | Zig:4    | Noticed a dread lich
224364 | Zig:4    | Noticed an ancient lich
224364 | Zig:4    | Noticed an ancient lich
224364 | Zig:4    | Noticed a dread lich
224364 | Zig:4    | Noticed a dread lich
224364 | Zig:4    | Noticed a dread lich
224365 | Zig:4    | Killed a dread lich
224365 | Zig:4    | Killed a dread lich
224365 | Zig:4    | Killed an ancient lich
224365 | Zig:4    | Killed an ancient lich
224366 | Zig:4    | Killed a dread lich
224366 | Zig:4    | Killed a dread lich
224366 | Zig:4    | Killed a dread lich
224369 | Zig:4    | Noticed a dread lich
224370 | Zig:4    | Killed a dread lich
224555 | Zig:5    | Entered Level 5 of a ziggurat
224820 | Zig:6    | Entered Level 6 of a ziggurat
225009 | Zig:6    | Identified the staff "Beadu" {rF++ Earth}
225017 | Zig:6    | Identified the staff of Bodily Humours {rF+ Str+3 Fire}
225037 | Zig:6    | Identified the +3 ring mail "Tidududo" {+Blink rF- rN+++
                  | Int-4}
225049 | Zig:7    | Entered Level 7 of a ziggurat
225105 | Zig:7    | Identified the staff of Jeqeib {rElec Necro Ice Air}
225106 | Zig:7    | Identified the amulet "Pofet" {rElec Regen+ Int+3}
225112 | Zig:7    | Identified the +1 dagger "Veriof" {drain, Int+3}
225123 | Zig:7    | Identified the ring "Tewnah" {rN+ EV+5 Str+3}
225125 | Zig:7    | Identified the +5 chain mail of Insurance {rF+ Dex+5}
225141 | Zig:7    | Identified the ring "Vathrenef" {rPois rF+++ Str-4 Int-5
                  | SInv}
225346 | Zig:8    | Entered Level 8 of a ziggurat
225636 | Zig:8    | Identified the +1 orcbow of Moif {antimagic, ^Fragile Int+3
                  | SInv}
225639 | Zig:8    | Identified the +8 war axe of Disarray {heavy, *Slow rF+
                  | rCorr}
225650 | Zig:8    | Identified the +8 morningstar of Xom's Fury {protect, rN+
                  | Dex+3 SInv}
225691 | Zig:9    | Entered Level 9 of a ziggurat
225691 | Zig:9    | Noticed an ancient lich
225691 | Zig:9    | Noticed a dread lich
225694 | Zig:9    | Noticed a dread lich
225700 | Zig:9    | Killed a dread lich
225700 | Zig:9    | Killed an ancient lich
225701 | Zig:9    | Killed a dread lich
225703 | Zig:9    | Noticed an ancient lich
225706 | Zig:9    | Killed an ancient lich
225710 | Zig:9    | Noticed a dread lich
225716 | Zig:9    | Killed a dread lich
225722 | Zig:9    | Noticed a dread lich
225727 | Zig:9    | Killed a dread lich
225833 | Zig:9    | Identified the +6 eudemon blade of Shimmering Doom {holy,
                  | SInv}
225862 | Zig:9    | Identified the +6 eudemon blade of Fonwegou {holy, rF+}
226069 | Zig:9    | Identified the +9 morningstar of Robu {freeze, Str+4 Int+2}
226085 | Zig:10   | Entered Level 10 of a ziggurat
226085 | Zig:10   | Noticed an ancient lich
226087 | Zig:10   | Killed an ancient lich
226097 | Zig:10   | Noticed a dread lich
226099 | Zig:10   | Killed a dread lich
226121 | Zig:10   | Killed a starcursed mass
226122 | Zig:10   | Killed a starcursed mass
226417 | Zig:10   | Identified the +4 mace "Eliuntagg" {antimagic, *Rage rC+
                  | Dex+3}
226421 | Zig:10   | Identified the +1 pair of gloves of the Flute {rC+ Int+3}
226425 | Zig:10   | Identified the +0 shortbow of the Spheres {drain, Fly rF+
                  | MP-9}
226496 | Zig:11   | Entered Level 11 of a ziggurat
226546 | Zig:11   | Noticed Tiryleesu the pandemonium lord
226557 | Zig:11   | Killed Tiryleesu the pandemonium lord
226851 | Zig:11   | Identified the storm talisman of Xoicw {*Corrode rF+ rN+++
                  | Str+2}
226865 | Zig:11   | Identified the +8 ice dragon scales "Xucauteefi" {rF- rC++
                  | Int+3}
226898 | Zig:12   | Entered Level 12 of a ziggurat
226925 | Zig:12   | Noticed Folanaom the pandemonium lord
226933 | Zig:12   | Killed Folanaom the pandemonium lord
227265 | Zig:12   | Identified the +11 eudemon blade of War {holy, Will+ SInv}
227275 | Zig:12   | Identified the +1 leather armour of Immorality {Harm rPois
                  | Str+8}
227284 | Zig:12   | Identified the ring "Xynid" {EV+5 Int+5}
227299 | Zig:12   | Identified the +0 arbalest of Feecugaf {penet, Will+ Int+2
                  | Dex+3 Stlth+}
227326 | Zig:13   | Entered Level 13 of a ziggurat
227367 | Zig:13   | Identified the ring of Wuoham {MP+9 Dex+2}
227412 | Zig:13   | Identified the +6 eudemon blade "Didgh" {holy, ^Fragile
                  | rPois rN+}
227414 | Zig:13   | Identified the ring "Jynapor" {Fire +Blink rPois Dex-2
                  | SInv}
227426 | Zig:13   | Identified the +7 demon blade of Haptufu {elec, MP+9 Dex+3}
227429 | Zig:13   | Identified the +3 rapier of Namn {flame, Fly}
227438 | Zig:13   | Identified the +7 glaive of the Vestibule of Hell {protect,
                  | rF+++ Str+3 Int-2 Dex+3}
227468 | Zig:13   | Identified the +9 lajatang of True Grit {drain, *Corrode
                  | +Blink rPois Stlth+}
227810 | Zig:14   | Entered Level 14 of a ziggurat
227810 | Zig:14   | Noticed Anihuhunn's ghost (adept GrEE)
227810 | Zig:14   | Noticed Agat's ghost (legendary GnWr)
227810 | Zig:14   | Noticed Wuziru's ghost (legendary GrEE)
227810 | Zig:14   | Noticed Pagapt's ghost (legendary HOMo)
227810 | Zig:14   | Noticed Agat's ghost (legendary GnWr)
227810 | Zig:14   | Noticed Suikiutuiv's ghost (adept GrEE)
227810 | Zig:14   | Noticed Suikiutuiv's ghost (adept GrEE)
227810 | Zig:14   | Noticed Suikiutuiv's ghost (adept GrEE)
227810 | Zig:14   | Noticed Pagapt's ghost (legendary HOMo)
227810 | Zig:14   | Noticed Anihuhunn's ghost (adept GrEE)
227810 | Zig:14   | Noticed Agat's ghost (legendary GnWr)
227812 | Zig:14   | Noticed Pagapt's ghost (legendary HOMo)
227813 | Zig:14   | Killed Anihuhunn's ghost
227814 | Zig:14   | Killed Anihuhunn's ghost
227814 | Zig:14   | Killed Suikiutuiv's ghost
227814 | Zig:14   | Noticed Agat's ghost (legendary GnWr)
227814 | Zig:14   | Noticed Agat's ghost (legendary GnWr)
227815 | Zig:14   | Killed Pagapt's ghost
227815 | Zig:14   | Killed Agat's ghost
227815 | Zig:14   | Killed Agat's ghost
227815 | Zig:14   | Killed Wuziru's ghost
227815 | Zig:14   | Noticed Suikiutuiv's ghost (adept GrEE)
227816 | Zig:14   | Killed Suikiutuiv's ghost
227816 | Zig:14   | Killed Suikiutuiv's ghost
227816 | Zig:14   | Killed Suikiutuiv's ghost
227817 | Zig:14   | Killed Pagapt's ghost
227817 | Zig:14   | Killed Agat's ghost
227817 | Zig:14   | Killed Agat's ghost
227817 | Zig:14   | Noticed Anihuhunn's ghost (adept GrEE)
227817 | Zig:14   | Noticed Anihuhunn's ghost (adept GrEE)
227817 | Zig:14   | Noticed Pagapt's ghost (legendary HOMo)
227817 | Zig:14   | Noticed Anihuhunn's ghost (adept GrEE)
227817 | Zig:14   | Noticed Wuziru's ghost (legendary GrEE)
227817 | Zig:14   | Noticed Pagapt's ghost (legendary HOMo)
227817 | Zig:14   | Noticed Pagapt's ghost (legendary HOMo)
227817 | Zig:14   | Noticed Anihuhunn's ghost (adept GrEE)
227817 | Zig:14   | Noticed Suikiutuiv's ghost (adept GrEE)
227818 | Zig:14   | Killed Pagapt's ghost
227818 | Zig:14   | Killed Anihuhunn's ghost
227818 | Zig:14   | Killed Agat's ghost
227819 | Zig:14   | Killed Anihuhunn's ghost
227819 | Zig:14   | Killed Anihuhunn's ghost
227820 | Zig:14   | Noticed Suikiutuiv's ghost (adept GrEE)
227820 | Zig:14   | Noticed Anihuhunn's ghost (adept GrEE)
227820 | Zig:14   | Noticed Agat's ghost (legendary GnWr)
227820 | Zig:14   | Noticed Pagapt's ghost (legendary HOMo)
227820 | Zig:14   | Noticed Wuziru's ghost (legendary GrEE)
227820 | Zig:14   | Noticed Pagapt's ghost (legendary HOMo)
227820 | Zig:14   | Noticed Wuziru's ghost (legendary GrEE)
227821 | Zig:14   | Killed Pagapt's ghost
227821 | Zig:14   | Killed Anihuhunn's ghost
227821 | Zig:14   | Killed Suikiutuiv's ghost
227822 | Zig:14   | Killed Wuziru's ghost
227823 | Zig:14   | Killed Suikiutuiv's ghost
227823 | Zig:14   | Killed Pagapt's ghost
227823 | Zig:14   | Killed Wuziru's ghost
227823 | Zig:14   | Killed Agat's ghost
227823 | Zig:14   | Killed Pagapt's ghost
227823 | Zig:14   | Killed Anihuhunn's ghost
227824 | Zig:14   | Killed Pagapt's ghost
227824 | Zig:14   | Killed Wuziru's ghost
227824 | Zig:14   | Noticed Pagapt's ghost (legendary HOMo)
227824 | Zig:14   | Noticed Pagapt's ghost (legendary HOMo)
227825 | Zig:14   | Noticed Pagapt's ghost (legendary HOMo)
227825 | Zig:14   | Noticed Wuziru's ghost (legendary GrEE)
227826 | Zig:14   | Noticed Anihuhunn's ghost (adept GrEE)
227826 | Zig:14   | Noticed Suikiutuiv's ghost (adept GrEE)
227827 | Zig:14   | Noticed Pagapt's ghost (legendary HOMo)
227827 | Zig:14   | Noticed Anihuhunn's ghost (adept GrEE)
227828 | Zig:14   | Killed Pagapt's ghost
227828 | Zig:14   | Killed Suikiutuiv's ghost
227829 | Zig:14   | Killed Pagapt's ghost
227829 | Zig:14   | Killed Pagapt's ghost
227829 | Zig:14   | Killed Anihuhunn's ghost
227829 | Zig:14   | Noticed Suikiutuiv's ghost (adept GrEE)
227829 | Zig:14   | Noticed Anihuhunn's ghost (adept GrEE)
227829 | Zig:14   | Noticed Pagapt's ghost (legendary HOMo)
227830 | Zig:14   | Killed Anihuhunn's ghost
227830 | Zig:14   | Killed Wuziru's ghost
227830 | Zig:14   | Noticed Wuziru's ghost (legendary GrEE)
227830 | Zig:14   | Noticed Wuziru's ghost (legendary GrEE)
227830 | Zig:14   | Noticed Wuziru's ghost (legendary GrEE)
227831 | Zig:14   | Killed Anihuhunn's ghost
227831 | Zig:14   | Killed Suikiutuiv's ghost
227831 | Zig:14   | Banished Pagapt's ghost
227832 | Zig:14   | Noticed Agat's ghost (legendary GnWr)
227832 | Zig:14   | Noticed Suikiutuiv's ghost (adept GrEE)
227833 | Zig:14   | Killed Pagapt's ghost
227833 | Zig:14   | Killed Suikiutuiv's ghost
227833 | Zig:14   | Killed Wuziru's ghost
227833 | Zig:14   | Noticed Wuziru's ghost (legendary GrEE)
227834 | Zig:14   | Noticed Pagapt's ghost (legendary HOMo)
227834 | Zig:14   | Noticed Wuziru's ghost (legendary GrEE)
227834 | Zig:14   | Noticed Wuziru's ghost (legendary GrEE)
227835 | Zig:14   | Killed Wuziru's ghost
227836 | Zig:14   | Killed Pagapt's ghost
227838 | Zig:14   | Killed Wuziru's ghost
227839 | Zig:14   | Noticed Pagapt's ghost (legendary HOMo)
227839 | Zig:14   | Noticed Suikiutuiv's ghost (adept GrEE)
227839 | Zig:14   | Noticed Wuziru's ghost (legendary GrEE)
227839 | Zig:14   | Noticed Pagapt's ghost (legendary HOMo)
227839 | Zig:14   | Noticed Suikiutuiv's ghost (adept GrEE)
227839 | Zig:14   | Noticed Suikiutuiv's ghost (adept GrEE)
227839 | Zig:14   | Noticed Anihuhunn's ghost (adept GrEE)
227839 | Zig:14   | Noticed Suikiutuiv's ghost (adept GrEE)
227839 | Zig:14   | Noticed Suikiutuiv's ghost (adept GrEE)
227839 | Zig:14   | Killed Pagapt's ghost
227840 | Zig:14   | Killed Agat's ghost
227840 | Zig:14   | Killed Wuziru's ghost
227840 | Zig:14   | Killed Suikiutuiv's ghost
227840 | Zig:14   | Killed Wuziru's ghost
227840 | Zig:14   | Noticed Wuziru's ghost (legendary GrEE)
227841 | Zig:14   | Noticed Wuziru's ghost (legendary GrEE)
227841 | Zig:14   | Killed Suikiutuiv's ghost
227842 | Zig:14   | Killed Suikiutuiv's ghost
227842 | Zig:14   | Killed Suikiutuiv's ghost
227842 | Zig:14   | Noticed Agat's ghost (legendary GnWr)
227843 | Zig:14   | Noticed Wuziru's ghost (legendary GrEE)
227844 | Zig:14   | Noticed Anihuhunn's ghost (adept GrEE)
227844 | Zig:14   | Killed Wuziru's ghost
227845 | Zig:14   | Killed Suikiutuiv's ghost
227845 | Zig:14   | Killed Anihuhunn's ghost
227845 | Zig:14   | Noticed Wuziru's ghost (legendary GrEE)
227845 | Zig:14   | Noticed Wuziru's ghost (legendary GrEE)
227845 | Zig:14   | Killed Agat's ghost
227846 | Zig:14   | Killed Pagapt's ghost
227846 | Zig:14   | Killed Wuziru's ghost
227846 | Zig:14   | Killed Wuziru's ghost
227847 | Zig:14   | Noticed Suikiutuiv's ghost (adept GrEE)
227847 | Zig:14   | Noticed Pagapt's ghost (legendary HOMo)
227847 | Zig:14   | Noticed Agat's ghost (legendary GnWr)
227847 | Zig:14   | Noticed Wuziru's ghost (legendary GrEE)
227847 | Zig:14   | Noticed Suikiutuiv's ghost (adept GrEE)
227847 | Zig:14   | Noticed Agat's ghost (legendary GnWr)
227848 | Zig:14   | Killed Wuziru's ghost
227848 | Zig:14   | Noticed Anihuhunn's ghost (adept GrEE)
227848 | Zig:14   | Noticed Suikiutuiv's ghost (adept GrEE)
227848 | Zig:14   | Noticed Pagapt's ghost (legendary HOMo)
227849 | Zig:14   | Killed Pagapt's ghost
227849 | Zig:14   | Killed Suikiutuiv's ghost
227849 | Zig:14   | Killed Anihuhunn's ghost
227849 | Zig:14   | Killed Suikiutuiv's ghost
227849 | Zig:14   | Killed Wuziru's ghost
227849 | Zig:14   | Killed Wuziru's ghost
227849 | Zig:14   | Noticed Pagapt's ghost (legendary HOMo)
227849 | Zig:14   | Noticed Agat's ghost (legendary GnWr)
227850 | Zig:14   | Killed Wuziru's ghost
227850 | Zig:14   | Killed Anihuhunn's ghost
227851 | Zig:14   | Killed Agat's ghost
227851 | Zig:14   | Killed Pagapt's ghost
227851 | Zig:14   | Killed Agat's ghost
227851 | Zig:14   | Killed Wuziru's ghost
227851 | Zig:14   | Killed Suikiutuiv's ghost
227851 | Zig:14   | Noticed Pagapt's ghost (legendary HOMo)
227851 | Zig:14   | Noticed Agat's ghost (legendary GnWr)
227852 | Zig:14   | Killed Pagapt's ghost
227852 | Zig:14   | Killed Agat's ghost
227852 | Zig:14   | Killed Pagapt's ghost
227852 | Zig:14   | Noticed Wuziru's ghost (legendary GrEE)
227852 | Zig:14   | Noticed Agat's ghost (legendary GnWr)
227854 | Zig:14   | Noticed Pagapt's ghost (legendary HOMo)
227854 | Zig:14   | Noticed Anihuhunn's ghost (adept GrEE)
227854 | Zig:14   | Noticed Wuziru's ghost (legendary GrEE)
227854 | Zig:14   | Noticed Agat's ghost (legendary GnWr)
227854 | Zig:14   | Noticed Pagapt's ghost (legendary HOMo)
227854 | Zig:14   | Noticed Suikiutuiv's ghost (adept GrEE)
227854 | Zig:14   | Noticed Agat's ghost (legendary GnWr)
227855 | Zig:14   | Killed Suikiutuiv's ghost
227855 | Zig:14   | Killed Pagapt's ghost
227856 | Zig:14   | Killed Agat's ghost
227856 | Zig:14   | Killed Anihuhunn's ghost
227857 | Zig:14   | Killed Wuziru's ghost
227857 | Zig:14   | Killed Wuziru's ghost
227857 | Zig:14   | Noticed Anihuhunn's ghost (adept GrEE)
227858 | Zig:14   | Killed Agat's ghost
227858 | Zig:14   | Killed Pagapt's ghost
227858 | Zig:14   | Killed Pagapt's ghost
227858 | Zig:14   | Killed Agat's ghost
227858 | Zig:14   | Noticed Agat's ghost (legendary GnWr)
227858 | Zig:14   | Noticed Wuziru's ghost (legendary GrEE)
227859 | Zig:14   | Killed Anihuhunn's ghost
227861 | Zig:14   | Noticed Suikiutuiv's ghost (adept GrEE)
227863 | Zig:14   | Noticed Suikiutuiv's ghost (adept GrEE)
227864 | Zig:14   | Killed Suikiutuiv's ghost
227864 | Zig:14   | Noticed Anihuhunn's ghost (adept GrEE)
227865 | Zig:14   | Noticed Agat's ghost (legendary GnWr)
227865 | Zig:14   | Noticed Suikiutuiv's ghost (adept GrEE)
227865 | Zig:14   | Noticed Anihuhunn's ghost (adept GrEE)
227866 | Zig:14   | Noticed Pagapt's ghost (legendary HOMo)
227866 | Zig:14   | Killed Wuziru's ghost
227866 | Zig:14   | Killed Agat's ghost
227867 | Zig:14   | Killed Suikiutuiv's ghost
227867 | Zig:14   | Killed Agat's ghost
227867 | Zig:14   | Killed Anihuhunn's ghost
227867 | Zig:14   | Killed Anihuhunn's ghost
227867 | Zig:14   | Killed Agat's ghost
227867 | Zig:14   | Noticed Suikiutuiv's ghost (adept GrEE)
227868 | Zig:14   | Noticed Anihuhunn's ghost (adept GrEE)
227868 | Zig:14   | Killed Suikiutuiv's ghost
227869 | Zig:14   | Noticed Anihuhunn's ghost (adept GrEE)
227871 | Zig:14   | Killed Pagapt's ghost
227871 | Zig:14   | Killed Suikiutuiv's ghost
227871 | Zig:14   | Killed Anihuhunn's ghost
227872 | Zig:14   | Killed Anihuhunn's ghost
228150 | Zig:14   | Identified the amulet of Utuas {Spirit ^Fragile rCorr
                  | Dex+5}
228156 | Zig:14   | Identified the +2 leather armour "Hyurph" {+Blink rF+ rN++
                  | Dex-4}
228159 | Zig:14   | Identified the +3 robe of Kiabroaw {rPois rN++ Will+ Str+3
                  | Dex-4}
228177 | Zig:14   | Identified the +1 plate armour of Kypopaor {Str+2}
228214 | Zig:15   | Entered Level 15 of a ziggurat
228237 | Zig:15   | Paralysed by an air elemental for 1 turns
228677 | Zig:15   | Identified the staff "Veantauc" {*Slow Fly rElec rCorr
                  | Int+4 Air}
228679 | Zig:15   | Identified the +7 hand axe of Usobydos {flame, rElec rPois}
228683 | Zig:15   | Identified the +0 robe of Boredom {rF++ rC+ MP+9}
228685 | Zig:15   | Identified the +9 arbalest of the Elven Halls {freeze,
                  | rPois}
228686 | Zig:15   | Identified the +4 short sword of Accord {flame, *Noise rN+
                  | Int+3 Dex+2}
228696 | Zig:15   | Identified the +1 spear of the Elven Halls {freeze, rC-
                  | Int+2 SInv}
228713 | Zig:15   | Identified the +4 chain mail of the Unseen Realm {Rampage
                  | Will+}
228719 | Zig:15   | Identified the staff of Reubbino {Str+2 Int+3 Stlth- Fire
                  | Earth}
228721 | Zig:15   | Identified the ring of the Evening {rPois rN+ Dex+2}
228733 | Zig:16   | Entered Level 16 of a ziggurat
228749 | Zig:16   | Noticed an ancient lich
228750 | Zig:16   | Killed an ancient lich
228751 | Zig:16   | Noticed a dread lich
228753 | Zig:16   | Killed a dread lich
229252 | Zig:16   | Identified the +0 ring mail "Ongiqegh" {rCorr}
229253 | Zig:16   | Identified the staff of the Smoking Boar {rC+ rN+ Str+3
                  | Int+2 Necro}
229261 | Zig:16   | Identified the +7 plate armour of Cocytus {Str+7 Int-4}
229294 | Zig:16   | Identified the staff of Starshine {rN+ Necro Alchemy}
229298 | Zig:16   | Identified the +4 falchion of Ru, Sharing {flame, Int+6}
229359 | Zig:17   | Entered Level 17 of a ziggurat
229887 | Zig:17   | Identified the +8 whip of Yppits {flame, rF- Str+8 Int+3
                  | Dex-4}
229892 | Zig:17   | Identified the +4 hand axe of Equilibrium {heavy, rPois
                  | rF++ Will- rCorr}
229897 | Zig:17   | Identified the +3 trident "Metynyan" {flame, Str+2 Int+3
                  | Dex-4}
229905 | Zig:17   | Identified the +5 plate armour of Dissebb {*Slow rElec rC+
                  | Str+6}
229907 | Zig:17   | Identified the +5 orcbow of the Open Hand {freeze, rElec
                  | rC++ Int-3 SInv}
229911 | Zig:17   | Identified the ring of Somuner {Fire rCorr Str+3}
229932 | Zig:18   | Entered Level 18 of a ziggurat
230472 | Zig:18   | Identified the staff of the Unseen Realm {rPois rC+ rN+
                  | Necro Fire Earth}
230480 | Zig:18   | Identified the +7 hand axe of the Countless Realms {freeze,
                  | rPois Int+2 Dex+2}
230482 | Zig:18   | Identified the +8 sling "Seicvuadu" {flame, Will++ Int+2
                  | Dex+3}
230493 | Zig:18   | Identified the +2 pair of gloves of the Guilds {*Slow rElec
                  | Int+3}
230496 | Zig:18   | Identified the ring "Sud Byj" {rPois Int+4 Slay+2}
230569 | Zig:18   | Identified the +2 buckler of Summer {*Corrode Int+4}
230618 | Zig:19   | Entered Level 19 of a ziggurat
230684 | Zig:19   | Identified the +1 scale mail of Valiance {rC- Will+ Str+5
                  | Stlth+}
230703 | Zig:19   | Identified the +1 robe of Birdsong {rN+ Int+2 Archmagi}
230708 | Zig:19   | Identified the ring of Noghusafeyd {AC+4 SInv}
230711 | Zig:19   | Identified the amulet "Tepesikh" {Reflect rElec Regen+
                  | Str-3 SH+5}
230727 | Zig:19   | Identified the +4 long sword of Iwkad {freeze, rElec rN+
                  | Int+3}
230730 | Zig:19   | Identified the +2 hat of the Were-rabbit {rF+}
230741 | Zig:19   | Identified the staff of Contention {Int-3 SInv Earth
                  | Alchemy}
230746 | Zig:19   | Identified the amulet "Welub" {Faith Rampage MP+9 Dex+3
                  | SInv}
230751 | Zig:19   | Identified the +0 dagger of Efotir {elec, Str+8 Int+3}
230752 | Zig:19   | Identified the +6 trident of Gloom {freeze, rPois rC+}
231250 | Zig:19   | Identified the +8 quarterstaff "Qeuck" {venom, Fly rF+
                  | Int-3}
231251 | Zig:19   | Identified the ring "Natupioz" {rC++ rN+ Will+++ Dex-5
                  | Stlth+}
231281 | Zig:20   | Entered Level 20 of a ziggurat
231281 | Zig:20   | Noticed Yqaajohi the pandemonium lord
231281 | Zig:20   | Noticed Ipomoem the pandemonium lord
231281 | Zig:20   | Noticed Irghomeq the pandemonium lord
231281 | Zig:20   | Noticed Pufoibrick the pandemonium lord
231281 | Zig:20   | Noticed Zezuj the pandemonium lord
231281 | Zig:20   | Noticed Muuts the pandemonium lord
231282 | Zig:20   | Noticed Lyadin the pandemonium lord
231282 | Zig:20   | Noticed Tytokiez the pandemonium lord
231283 | Zig:20   | Killed Muuts the pandemonium lord
231284 | Zig:20   | Killed Irghomeq the pandemonium lord
231284 | Zig:20   | Killed Ipomoem the pandemonium lord
231284 | Zig:20   | Killed Zezuj the pandemonium lord
231284 | Zig:20   | Noticed Alloz the pandemonium lord
231284 | Zig:20   | Noticed Coajuoge the pandemonium lord
231285 | Zig:20   | Noticed Bopucw the pandemonium lord
231285 | Zig:20   | Noticed Jerhotank the pandemonium lord
231285 | Zig:20   | Noticed Hufipt the pandemonium lord
231285 | Zig:20   | Noticed Medwee the pandemonium lord
231286 | Zig:20   | Noticed Niud the pandemonium lord
231286 | Zig:20   | Noticed Syimuass the pandemonium lord
231286 | Zig:20   | Noticed Hiohuz the pandemonium lord
231286 | Zig:20   | Noticed Fosiu the pandemonium lord
231286 | Zig:20   | Noticed Agonkiod the pandemonium lord
231287 | Zig:20   | Killed Yqaajohi the pandemonium lord
231287 | Zig:20   | Killed Tytokiez the pandemonium lord
231287 | Zig:20   | Killed Hiohuz the pandemonium lord
231288 | Zig:20   | Killed Fosiu the pandemonium lord
231288 | Zig:20   | Killed Niud the pandemonium lord
231288 | Zig:20   | Killed Hufipt the pandemonium lord
231288 | Zig:20   | Killed Bopucw the pandemonium lord
231288 | Zig:20   | Killed Syimuass the pandemonium lord
231288 | Zig:20   | Noticed Siotzopu the pandemonium lord
231288 | Zig:20   | Noticed Yngot the pandemonium lord
231288 | Zig:20   | Noticed Ziyst the pandemonium lord
231288 | Zig:20   | Noticed Weiwna the pandemonium lord
231289 | Zig:20   | Killed Coajuoge the pandemonium lord
231289 | Zig:20   | Killed Siotzopu the pandemonium lord
231289 | Zig:20   | Killed Agonkiod the pandemonium lord
231289 | Zig:20   | Killed Medwee the pandemonium lord
231289 | Zig:20   | Noticed Jyiw the pandemonium lord
231289 | Zig:20   | Noticed Byphips the pandemonium lord
231290 | Zig:20   | Killed Alloz the pandemonium lord
231291 | Zig:20   | Noticed Utham the pandemonium lord
231291 | Zig:20   | Killed Jyiw the pandemonium lord
231292 | Zig:20   | Killed Yngot the pandemonium lord
231292 | Zig:20   | Killed Weiwna the pandemonium lord
231292 | Zig:20   | Killed Pufoibrick the pandemonium lord
231292 | Zig:20   | Killed Ziyst the pandemonium lord
231292 | Zig:20   | Noticed Ydghew the pandemonium lord
231293 | Zig:20   | Noticed Coibinix the pandemonium lord
231293 | Zig:20   | Noticed Zidamysun the pandemonium lord
231293 | Zig:20   | Noticed Fibrihai the pandemonium lord
231293 | Zig:20   | Noticed Dacas the pandemonium lord
231293 | Zig:20   | Noticed Uveyse the pandemonium lord
231293 | Zig:20   | Killed Lyadin the pandemonium lord
231293 | Zig:20   | Noticed Fuotal the pandemonium lord
231294 | Zig:20   | Killed Jerhotank the pandemonium lord
231294 | Zig:20   | Noticed Xinluin the pandemonium lord
231294 | Zig:20   | Killed Ydghew the pandemonium lord
231294 | Zig:20   | Noticed Roeskig the pandemonium lord
231295 | Zig:20   | Noticed Xeddyma the pandemonium lord
231295 | Zig:20   | Killed Coibinix the pandemonium lord
231295 | Zig:20   | Killed Fibrihai the pandemonium lord
231295 | Zig:20   | Killed Byphips the pandemonium lord
231295 | Zig:20   | Noticed Beost the pandemonium lord
231295 | Zig:20   | Noticed Diatteliaf the pandemonium lord
231295 | Zig:20   | Noticed Gelianla the pandemonium lord
231296 | Zig:20   | Noticed Veh Bur the pandemonium lord
231296 | Zig:20   | Killed Roeskig the pandemonium lord
231296 | Zig:20   | Killed Diatteliaf the pandemonium lord
231296 | Zig:20   | Killed Fuotal the pandemonium lord
231296 | Zig:20   | Noticed Ygrouqo the pandemonium lord
231296 | Zig:20   | Noticed Coshusag the pandemonium lord
231297 | Zig:20   | Killed Xeddyma the pandemonium lord
231298 | Zig:20   | Killed Utham the pandemonium lord
231298 | Zig:20   | Killed Veh Bur the pandemonium lord
231298 | Zig:20   | Noticed Buvveona the pandemonium lord
231298 | Zig:20   | Noticed Giemikych the pandemonium lord
231299 | Zig:20   | Noticed Gifasis the pandemonium lord
231299 | Zig:20   | Noticed Oduul the pandemonium lord
231299 | Zig:20   | Noticed Ugazoaf the pandemonium lord
231299 | Zig:20   | Noticed Piritt the pandemonium lord
231299 | Zig:20   | Noticed Mitiuc the pandemonium lord
231299 | Zig:20   | Noticed Ruwuutuav the pandemonium lord
231299 | Zig:20   | Noticed Ewivoc the pandemonium lord
231299 | Zig:20   | Noticed Unuubrob the pandemonium lord
231299 | Zig:20   | Noticed Vamol the pandemonium lord
231299 | Zig:20   | Noticed Muitauh the pandemonium lord
231299 | Zig:20   | Noticed Pinit the pandemonium lord
231300 | Zig:20   | Noticed Haoskure the pandemonium lord
231300 | Zig:20   | Noticed Poubuot the pandemonium lord
231301 | Zig:20   | Killed Beost the pandemonium lord
231303 | Zig:20   | Killed Zidamysun the pandemonium lord
231303 | Zig:20   | Noticed Xadekk Gexi the pandemonium lord
231303 | Zig:20   | Killed Gelianla the pandemonium lord
231308 | Zig:20   | Killed Poubuot the pandemonium lord
231308 | Zig:20   | Killed Mitiuc the pandemonium lord
231308 | Zig:20   | Killed Coshusag the pandemonium lord
231308 | Zig:20   | Killed Buvveona the pandemonium lord
231309 | Zig:20   | Noticed Agadgh the pandemonium lord
231310 | Zig:20   | Killed Xinluin the pandemonium lord
231310 | Zig:20   | Killed Pinit the pandemonium lord
231311 | Zig:20   | Killed Dacas the pandemonium lord
231312 | Zig:20   | Noticed Unucwel the pandemonium lord
231312 | Zig:20   | Noticed Ythraeri the pandemonium lord
231312 | Zig:20   | Noticed Tuluff the pandemonium lord
231312 | Zig:20   | Killed Giemikych the pandemonium lord
231312 | Zig:20   | Killed Ruwuutuav the pandemonium lord
231312 | Zig:20   | Noticed Eclim the pandemonium lord
231313 | Zig:20   | Noticed Ireqot the pandemonium lord
231313 | Zig:20   | Killed Unuubrob the pandemonium lord
231313 | Zig:20   | Killed Tuluff the pandemonium lord
231313 | Zig:20   | Killed Ewivoc the pandemonium lord
231313 | Zig:20   | Noticed Emill the pandemonium lord
231314 | Zig:20   | Killed Ygrouqo the pandemonium lord
231314 | Zig:20   | Killed Oduul the pandemonium lord
231314 | Zig:20   | Killed Unucwel the pandemonium lord
231314 | Zig:20   | Noticed Wuom Lec the pandemonium lord
231314 | Zig:20   | Noticed Fymic the pandemonium lord
231315 | Zig:20   | Killed Piritt the pandemonium lord
231315 | Zig:20   | Killed Vamol the pandemonium lord
231315 | Zig:20   | Killed Ythraeri the pandemonium lord
231315 | Zig:20   | Noticed Legasm the pandemonium lord
231316 | Zig:20   | Noticed Gikak the pandemonium lord
231316 | Zig:20   | Noticed Wipiwk the pandemonium lord
231316 | Zig:20   | Killed Ireqot the pandemonium lord
231316 | Zig:20   | Killed Wipiwk the pandemonium lord
231316 | Zig:20   | Noticed Beowiq the pandemonium lord
231316 | Zig:20   | Noticed Ymeoruang the pandemonium lord
231316 | Zig:20   | Noticed Loamog the pandemonium lord
231316 | Zig:20   | Noticed Uwetaw the pandemonium lord
231316 | Zig:20   | Noticed Zifiats the pandemonium lord
231316 | Zig:20   | Noticed Hamihy the pandemonium lord
231316 | Zig:20   | Noticed Enlysog the pandemonium lord
231316 | Zig:20   | Noticed Qokhligg the pandemonium lord
231316 | Zig:20   | Noticed Dojel the pandemonium lord
231317 | Zig:20   | Killed Eclim the pandemonium lord
231317 | Zig:20   | Killed Ugazoaf the pandemonium lord
231317 | Zig:20   | Noticed Gygeohi the pandemonium lord
231318 | Zig:20   | Killed Uveyse the pandemonium lord
231318 | Zig:20   | Noticed Kufy the pandemonium lord
231318 | Zig:20   | Noticed Opsafyli the pandemonium lord
231318 | Zig:20   | Killed Muitauh the pandemonium lord
231318 | Zig:20   | Noticed Xoan the pandemonium lord
231319 | Zig:20   | Killed Legasm the pandemonium lord
231319 | Zig:20   | Noticed Woplei the pandemonium lord
231319 | Zig:20   | Killed Gifasis the pandemonium lord
231320 | Zig:20   | Noticed Luys the pandemonium lord
231320 | Zig:20   | Killed Loamog the pandemonium lord
231320 | Zig:20   | Killed Emill the pandemonium lord
231320 | Zig:20   | Killed Uwetaw the pandemonium lord
231320 | Zig:20   | Noticed Pomopn the pandemonium lord
231320 | Zig:20   | Noticed Zegua the pandemonium lord
231320 | Zig:20   | Noticed Mig Kutu the pandemonium lord
231320 | Zig:20   | Killed Fymic the pandemonium lord
231321 | Zig:20   | Noticed Wiashyus the pandemonium lord
231321 | Zig:20   | Killed Beowiq the pandemonium lord
231321 | Zig:20   | Killed Enlysog the pandemonium lord
231321 | Zig:20   | Killed Haoskure the pandemonium lord
231321 | Zig:20   | Noticed Enuyfaqa the pandemonium lord
231321 | Zig:20   | Noticed Itzaosm the pandemonium lord
231322 | Zig:20   | Noticed Pinwyof the pandemonium lord
231322 | Zig:20   | Noticed Fuijow the pandemonium lord
231322 | Zig:20   | Killed Qokhligg the pandemonium lord
231322 | Zig:20   | Killed Xoan the pandemonium lord
231322 | Zig:20   | Killed Kufy the pandemonium lord
231322 | Zig:20   | Killed Luys the pandemonium lord
231322 | Zig:20   | Killed Ymeoruang the pandemonium lord
231322 | Zig:20   | Killed Xadekk Gexi the pandemonium lord
231322 | Zig:20   | Killed Dojel the pandemonium lord
231322 | Zig:20   | Noticed Difefrou the pandemonium lord
231322 | Zig:20   | Noticed Keniac the pandemonium lord
231322 | Zig:20   | Killed Wuom Lec the pandemonium lord
231323 | Zig:20   | Noticed Hautiefi the pandemonium lord
231323 | Zig:20   | Killed Gygeohi the pandemonium lord
231323 | Zig:20   | Killed Opsafyli the pandemonium lord
231323 | Zig:20   | Killed Agadgh the pandemonium lord
231323 | Zig:20   | Noticed Vessub the pandemonium lord
231324 | Zig:20   | Noticed Lytwaun the pandemonium lord
231324 | Zig:20   | Killed Vessub the pandemonium lord
231325 | Zig:20   | Noticed Murr the pandemonium lord
231325 | Zig:20   | Noticed Muulirai the pandemonium lord
231325 | Zig:20   | Killed Zifiats the pandemonium lord
231325 | Zig:20   | Killed Pomopn the pandemonium lord
231325 | Zig:20   | Killed Mig Kutu the pandemonium lord
231325 | Zig:20   | Noticed Fibeoz Cesk the pandemonium lord
231325 | Zig:20   | Killed Woplei the pandemonium lord
231325 | Zig:20   | Killed Itzaosm the pandemonium lord
231326 | Zig:20   | Killed Difefrou the pandemonium lord
231326 | Zig:20   | Killed Fuijow the pandemonium lord
231326 | Zig:20   | Noticed Ofamaf the pandemonium lord
231326 | Zig:20   | Noticed Jexeoffa the pandemonium lord
231326 | Zig:20   | Noticed Oloeck the pandemonium lord
231327 | Zig:20   | Noticed Waif Gie the pandemonium lord
231327 | Zig:20   | Killed Pinwyof the pandemonium lord
231327 | Zig:20   | Noticed Yhowkic the pandemonium lord
231327 | Zig:20   | Noticed Yvommuoc the pandemonium lord
231328 | Zig:20   | Killed Gikak the pandemonium lord
231328 | Zig:20   | Killed Murr the pandemonium lord
231330 | Zig:20   | Noticed Huatee the pandemonium lord
231331 | Zig:20   | Banished Komihaest the pandemonium lord
231331 | Zig:20   | Noticed Ederom the pandemonium lord
231331 | Zig:20   | Killed Wiashyus the pandemonium lord
231332 | Zig:20   | Killed Yvommuoc the pandemonium lord
231332 | Zig:20   | Noticed Xass the pandemonium lord
231333 | Zig:20   | Noticed Muevozie the pandemonium lord
231333 | Zig:20   | Noticed Qegh the pandemonium lord
231333 | Zig:20   | Noticed Salokuxt the pandemonium lord
231334 | Zig:20   | Noticed Yghuneys the pandemonium lord
231334 | Zig:20   | Killed Yghuneys the pandemonium lord
231334 | Zig:20   | Killed Keniac the pandemonium lord
231334 | Zig:20   | Killed Xass the pandemonium lord
231335 | Zig:20   | Killed Ederom the pandemonium lord
231335 | Zig:20   | Killed Salokuxt the pandemonium lord
231335 | Zig:20   | Killed Yhowkic the pandemonium lord
231335 | Zig:20   | Killed Lytwaun the pandemonium lord
231336 | Zig:20   | Killed Muevozie the pandemonium lord
231336 | Zig:20   | Killed Waif Gie the pandemonium lord
231336 | Zig:20   | Noticed Omosah the pandemonium lord
231336 | Zig:20   | Killed Zegua the pandemonium lord
231337 | Zig:20   | Banished Jexeoffa the pandemonium lord
231337 | Zig:20   | Noticed Fesirchecs the pandemonium lord
231337 | Zig:20   | Noticed Hounnoje the pandemonium lord
231337 | Zig:20   | Killed Oloeck the pandemonium lord
231338 | Zig:20   | Killed Muulirai the pandemonium lord
231338 | Zig:20   | Killed Hautiefi the pandemonium lord
231338 | Zig:20   | Noticed Pit Zura the pandemonium lord
231338 | Zig:20   | Noticed Xiretyda the pandemonium lord
231338 | Zig:20   | Noticed Fetah the pandemonium lord
231339 | Zig:20   | Killed Xiretyda the pandemonium lord
231339 | Zig:20   | Killed Huatee the pandemonium lord
231339 | Zig:20   | Noticed Xagur the pandemonium lord
231339 | Zig:20   | Noticed Xacovus the pandemonium lord
231340 | Zig:20   | Noticed Bedey the pandemonium lord
231340 | Zig:20   | Noticed Kuwomp the pandemonium lord
231340 | Zig:20   | Noticed Plog the pandemonium lord
231340 | Zig:20   | Banished Kuwomp the pandemonium lord
231341 | Zig:20   | Noticed Gafolicku the pandemonium lord
231341 | Zig:20   | Killed Fibeoz Cesk the pandemonium lord
231342 | Zig:20   | Killed Hamihy the pandemonium lord
231342 | Zig:20   | Killed Pit Zura the pandemonium lord
231342 | Zig:20   | Killed Enuyfaqa the pandemonium lord
231342 | Zig:20   | Noticed Neucaihisch the pandemonium lord
231343 | Zig:20   | Noticed Vamou the pandemonium lord
231343 | Zig:20   | Killed Xagur the pandemonium lord
231343 | Zig:20   | Killed Bedey the pandemonium lord
231343 | Zig:20   | Noticed Dynoxt the pandemonium lord
231344 | Zig:20   | Killed Vamou the pandemonium lord
231344 | Zig:20   | Killed Qegh the pandemonium lord
231344 | Zig:20   | Noticed Qidi the pandemonium lord
231344 | Zig:20   | Noticed Rili the pandemonium lord
231344 | Zig:20   | Noticed Muoham the pandemonium lord
231345 | Zig:20   | Killed Omosah the pandemonium lord
231345 | Zig:20   | Killed Gafolicku the pandemonium lord
231345 | Zig:20   | Noticed Jorea the pandemonium lord
231345 | Zig:20   | Noticed Purehak the pandemonium lord
231345 | Zig:20   | Noticed Veufuv the pandemonium lord
231346 | Zig:20   | Killed Ofamaf the pandemonium lord
231346 | Zig:20   | Killed Dynoxt the pandemonium lord
231346 | Zig:20   | Noticed Jeoteruk the pandemonium lord
231346 | Zig:20   | Noticed Pienutej the pandemonium lord
231346 | Zig:20   | Killed Plog the pandemonium lord
231347 | Zig:20   | Noticed Nisuomaf the pandemonium lord
231347 | Zig:20   | Noticed Sequtihe the pandemonium lord
231348 | Zig:20   | Killed Neucaihisch the pandemonium lord
231348 | Zig:20   | Killed Rili the pandemonium lord
231348 | Zig:20   | Killed Purehak the pandemonium lord
231348 | Zig:20   | Noticed Cuvaoc the pandemonium lord
231348 | Zig:20   | Noticed Kiadibra the pandemonium lord
231349 | Zig:20   | Noticed Wyonoz the pandemonium lord
231349 | Zig:20   | Noticed Kairul the pandemonium lord
231349 | Zig:20   | Noticed Rohis the pandemonium lord
231349 | Zig:20   | Killed Hounnoje the pandemonium lord
231350 | Zig:20   | Noticed Camiy the pandemonium lord
231351 | Zig:20   | Killed Fetah the pandemonium lord
231351 | Zig:20   | Killed Jorea the pandemonium lord
231351 | Zig:20   | Killed Muoham the pandemonium lord
231351 | Zig:20   | Killed Qidi the pandemonium lord
231351 | Zig:20   | Noticed Ugyfaes the pandemonium lord
231353 | Zig:20   | Killed Kairul the pandemonium lord
231353 | Zig:20   | Killed Wyonoz the pandemonium lord
231353 | Zig:20   | Killed Camiy the pandemonium lord
231353 | Zig:20   | Killed Xacovus the pandemonium lord
231353 | Zig:20   | Noticed Kausmive the pandemonium lord
231354 | Zig:20   | Killed Kiadibra the pandemonium lord
231354 | Zig:20   | Noticed Ketroab the pandemonium lord
231355 | Zig:20   | Noticed Akassazi the pandemonium lord
231356 | Zig:20   | Killed Jeoteruk the pandemonium lord
231356 | Zig:20   | Killed Ketroab the pandemonium lord
231356 | Zig:20   | Killed Pienutej the pandemonium lord
231356 | Zig:20   | Killed Sequtihe the pandemonium lord
231356 | Zig:20   | Killed Fesirchecs the pandemonium lord
231356 | Zig:20   | Killed Akassazi the pandemonium lord
231356 | Zig:20   | Killed Kausmive the pandemonium lord
231356 | Zig:20   | Killed Ugyfaes the pandemonium lord
231357 | Zig:20   | Killed Cuvaoc the pandemonium lord
231357 | Zig:20   | Killed Nisuomaf the pandemonium lord
231358 | Zig:20   | Noticed Xiwuwido the pandemonium lord
231359 | Zig:20   | Noticed Agybrak the pandemonium lord
231360 | Zig:20   | Noticed Xucob the pandemonium lord
231360 | Zig:20   | Noticed Idghav the pandemonium lord
231361 | Zig:20   | Noticed Duumurar the pandemonium lord
231361 | Zig:20   | Noticed Diri Ohof the pandemonium lord
231361 | Zig:20   | Noticed Byeblul the pandemonium lord
231361 | Zig:20   | Noticed Ynilekh the pandemonium lord
231362 | Zig:20   | Killed Ynilekh the pandemonium lord
231362 | Zig:20   | Noticed Rarociown the pandemonium lord
231363 | Zig:20   | Killed Agybrak the pandemonium lord
231363 | Zig:20   | Killed Diri Ohof the pandemonium lord
231363 | Zig:20   | Killed Idghav the pandemonium lord
231364 | Zig:20   | Noticed Ymymudd Naop the pandemonium lord
231364 | Zig:20   | Killed Xucob the pandemonium lord
231364 | Zig:20   | Killed Rohis the pandemonium lord
231365 | Zig:20   | Killed Byeblul the pandemonium lord
231365 | Zig:20   | Noticed Seizugg the pandemonium lord
231369 | Zig:20   | Noticed Cidghui the pandemonium lord
231369 | Zig:20   | Noticed Kaximn the pandemonium lord
231370 | Zig:20   | Killed Rarociown the pandemonium lord
231370 | Zig:20   | Killed Cidghui the pandemonium lord
231370 | Zig:20   | Killed Duumurar the pandemonium lord
231371 | Zig:20   | Killed Ymymudd Naop the pandemonium lord
231371 | Zig:20   | Killed Kaximn the pandemonium lord
231371 | Zig:20   | Killed Veufuv the pandemonium lord
231372 | Zig:20   | Killed Seizugg the pandemonium lord
231373 | Zig:20   | Killed Xiwuwido the pandemonium lord
231374 | Zig:20   | Noticed Rorij the pandemonium lord
231375 | Zig:20   | Noticed Qivarrom the pandemonium lord
231375 | Zig:20   | Killed Woojudd the pandemonium lord
231375 | Zig:20   | Noticed Cyuddant the pandemonium lord
231376 | Zig:20   | Noticed Kiydex the pandemonium lord
231377 | Zig:20   | Killed Qivarrom the pandemonium lord
231377 | Zig:20   | Killed Rorij the pandemonium lord
231378 | Zig:20   | Noticed Sixt the pandemonium lord
231378 | Zig:20   | Noticed Couga the pandemonium lord
231380 | Zig:20   | Killed Kiydex the pandemonium lord
231380 | Zig:20   | Killed Cyuddant the pandemonium lord
231381 | Zig:20   | Killed Sixt the pandemonium lord
231382 | Zig:20   | Killed Couga the pandemonium lord
231383 | Zig:20   | Noticed Hoahih the pandemonium lord
231384 | Zig:20   | Noticed Qugguqi the pandemonium lord
231385 | Zig:20   | Noticed Seipe the pandemonium lord
231387 | Zig:20   | Killed Qugguqi the pandemonium lord
231387 | Zig:20   | Killed Seipe the pandemonium lord
231388 | Zig:20   | Killed Hoahih the pandemonium lord
231389 | Zig:20   | Noticed Sifucvot the pandemonium lord
231390 | Zig:20   | Noticed Vabomu the pandemonium lord
231390 | Zig:20   | Noticed Hifib the pandemonium lord
231391 | Zig:20   | Killed Sifucvot the pandemonium lord
231392 | Zig:20   | Killed Hifib the pandemonium lord
231393 | Zig:20   | Killed Vabomu the pandemonium lord
231396 | Zig:20   | Noticed Nunn the pandemonium lord
231396 | Zig:20   | Noticed Gullegiv the pandemonium lord
231398 | Zig:20   | Killed Gullegiv the pandemonium lord
231399 | Zig:20   | Killed Nunn the pandemonium lord
231399 | Zig:20   | Noticed Xumipic the pandemonium lord
231402 | Zig:20   | Noticed Zufan the pandemonium lord
231403 | Zig:20   | Noticed Kuqy the pandemonium lord
231404 | Zig:20   | Killed Xumipic the pandemonium lord
231406 | Zig:20   | Killed Kuqy the pandemonium lord
231406 | Zig:20   | Killed Zufan the pandemonium lord
231414 | Zig:20   | Noticed Jaamitots the pandemonium lord
231416 | Zig:20   | Killed Jaamitots the pandemonium lord
231423 | Zig:20   | Noticed Soef the pandemonium lord
231424 | Zig:20   | Noticed Gaoxiruvob the pandemonium lord
231426 | Zig:20   | Killed Gaoxiruvob the pandemonium lord
231427 | Zig:20   | Killed Soef the pandemonium lord
231431 | Zig:20   | Noticed Seoso the pandemonium lord
231433 | Zig:20   | Killed Seoso the pandemonium lord
231708 | Zig:20   | Identified the +8 long sword "Qumegeu" {protect, rF+ rC+
                  | Int-4 Dex+6}
231711 | Zig:20   | Identified the +6 flail "Hewuist" {speed, rN+ rCorr}
231735 | Zig:20   | Identified the storm talisman of Shadows and Fog {rF++ MP-9
                  | Int+3}
231740 | Zig:20   | Identified the amulet of Heklue {RegenMP rF+ rCorr Stlth+}
231752 | Zig:20   | Identified the +5 flail of the Radish {antimagic, ^Fragile
                  | Will++ Int+8}
231762 | Zig:20   | Identified the +8 battleaxe of Nomiattu {antimagic, ^Drain
                  | Str+3 Int+2}
231763 | Zig:20   | Identified the +8 spear of the Hungering Rat {freeze, rF++
                  | Will- rCorr Int+2}
231769 | Zig:20   | Identified the amulet of the Firefly {Acrobat Rampage}
231771 | Zig:20   | Identified the staff of Aczikif {rElec Dex+6 Earth}
231772 | Zig:20   | Identified the amulet "Tyavebluule" {Rampage Regen+ Str-4
                  | Dex+2}
231774 | Zig:20   | Identified the staff of Mana {rElec Str+7 Int-2 Air}
231775 | Zig:20   | Identified the +1 helmet of the Raven {Will++ Dex+5 Slay-3}
231776 | Zig:20   | Identified the +5 rapier "Dragonbane" {freeze, Int+5
                  | Stlth+}
231778 | Zig:20   | Identified the +0 pair of boots of the Arcane {rC+ Int+2}
231806 | Zig:21   | Entered Level 21 of a ziggurat
231808 | Zig:21   | Noticed Ruuvawedgh the pandemonium lord
231808 | Zig:21   | Noticed Sejosk the pandemonium lord
231808 | Zig:21   | Noticed Otsu the pandemonium lord
231808 | Zig:21   | Noticed Xalik the pandemonium lord
231809 | Zig:21   | Noticed Rotinic the pandemonium lord
231809 | Zig:21   | Noticed Vibu the pandemonium lord
231810 | Zig:21   | Noticed Roheawn the pandemonium lord
231810 | Zig:21   | Killed Ruuvawedgh the pandemonium lord
231810 | Zig:21   | Noticed Woze the pandemonium lord
231810 | Zig:21   | Noticed Plog the pandemonium lord
231811 | Zig:21   | Killed Rotinic the pandemonium lord
231811 | Zig:21   | Killed Otsu the pandemonium lord
231811 | Zig:21   | Killed Vibu the pandemonium lord
231811 | Zig:21   | Noticed Geimit the pandemonium lord
231812 | Zig:21   | Killed Sejosk the pandemonium lord
231812 | Zig:21   | Killed Plog the pandemonium lord
231812 | Zig:21   | Noticed Sajum the pandemonium lord
231813 | Zig:21   | Noticed Imialon the pandemonium lord
231813 | Zig:21   | Killed Sajum the pandemonium lord
231813 | Zig:21   | Noticed Yriv the pandemonium lord
231813 | Zig:21   | Noticed Yjoisubb the pandemonium lord
231813 | Zig:21   | Noticed Lamimeuj the pandemonium lord
231813 | Zig:21   | Noticed Maecoh the pandemonium lord
231814 | Zig:21   | Noticed Qudaeb the pandemonium lord
231814 | Zig:21   | Noticed Kuovozya the pandemonium lord
231814 | Zig:21   | Noticed Iryos the pandemonium lord
231814 | Zig:21   | Noticed Sigyckaz the pandemonium lord
231814 | Zig:21   | Noticed Odah the pandemonium lord
231814 | Zig:21   | Noticed Gedanyo the pandemonium lord
231814 | Zig:21   | Noticed Gily the pandemonium lord
231815 | Zig:21   | Killed Geimit the pandemonium lord
231815 | Zig:21   | Killed Imialon the pandemonium lord
231815 | Zig:21   | Killed Woze the pandemonium lord
231815 | Zig:21   | Killed Odah the pandemonium lord
231815 | Zig:21   | Noticed Usifiqy the pandemonium lord
231816 | Zig:21   | Killed Roheawn the pandemonium lord
231816 | Zig:21   | Killed Xalik the pandemonium lord
231816 | Zig:21   | Killed Gedanyo the pandemonium lord
231816 | Zig:21   | Killed Yjoisubb the pandemonium lord
231816 | Zig:21   | Killed Sigyckaz the pandemonium lord
231817 | Zig:21   | Killed Qudaeb the pandemonium lord
231817 | Zig:21   | Noticed Jeihubaf the pandemonium lord
231818 | Zig:21   | Noticed Pejeroh the pandemonium lord
231818 | Zig:21   | Killed Gily the pandemonium lord
231819 | Zig:21   | Killed Kuovozya the pandemonium lord
231819 | Zig:21   | Killed Lamimeuj the pandemonium lord
231820 | Zig:21   | Killed Iryos the pandemonium lord
231820 | Zig:21   | Killed Jeihubaf the pandemonium lord
231820 | Zig:21   | Noticed Finor the pandemonium lord
231820 | Zig:21   | Noticed Nyamosif the pandemonium lord
231820 | Zig:21   | Noticed Zuth the pandemonium lord
231820 | Zig:21   | Killed Yriv the pandemonium lord
231821 | Zig:21   | Killed Pejeroh the pandemonium lord
231821 | Zig:21   | Noticed Mehui the pandemonium lord
231821 | Zig:21   | Noticed Onoefu the pandemonium lord
231821 | Zig:21   | Noticed Lomnugun the pandemonium lord
231822 | Zig:21   | Killed Zuth the pandemonium lord
231822 | Zig:21   | Killed Nyamosif the pandemonium lord
231822 | Zig:21   | Noticed Tyasorr the pandemonium lord
231823 | Zig:21   | Noticed Mairgh the pandemonium lord
231824 | Zig:21   | Killed Lomnugun the pandemonium lord
231824 | Zig:21   | Noticed Zavudgh the pandemonium lord
231825 | Zig:21   | Killed Finor the pandemonium lord
231825 | Zig:21   | Noticed Larus the pandemonium lord
231826 | Zig:21   | Killed Mehui the pandemonium lord
231826 | Zig:21   | Killed Larus the pandemonium lord
231826 | Zig:21   | Noticed Sihaah the pandemonium lord
231826 | Zig:21   | Noticed Kessa the pandemonium lord
231827 | Zig:21   | Killed Tyasorr the pandemonium lord
231827 | Zig:21   | Killed Usifiqy the pandemonium lord
231827 | Zig:21   | Killed Onoefu the pandemonium lord
231827 | Zig:21   | Noticed Gexoffie the pandemonium lord
231828 | Zig:21   | Killed Mairgh the pandemonium lord
231828 | Zig:21   | Killed Eguhean the pandemonium lord
231828 | Zig:21   | Noticed Ufroraif the pandemonium lord
231828 | Zig:21   | Killed Sihaah the pandemonium lord
231828 | Zig:21   | Noticed Jateif the pandemonium lord
231829 | Zig:21   | Killed Duokky the pandemonium lord
231829 | Zig:21   | Killed Maecoh the pandemonium lord
231830 | Zig:21   | Killed Gexoffie the pandemonium lord
231830 | Zig:21   | Killed Jateif the pandemonium lord
231830 | Zig:21   | Noticed Raqyink the pandemonium lord
231831 | Zig:21   | Noticed Coqiy the pandemonium lord
231832 | Zig:21   | Noticed Lungaq the pandemonium lord
231833 | Zig:21   | Noticed Yxapn the pandemonium lord
231833 | Zig:21   | Noticed Fizock the pandemonium lord
231834 | Zig:21   | Killed Zavudgh the pandemonium lord
231834 | Zig:21   | Killed Ufroraif the pandemonium lord
231834 | Zig:21   | Noticed Xotutror the pandemonium lord
231834 | Zig:21   | Killed Raqyink the pandemonium lord
231834 | Zig:21   | Noticed Haufeagg the pandemonium lord
231835 | Zig:21   | Killed Fizock the pandemonium lord
231835 | Zig:21   | Killed Kessa the pandemonium lord
231835 | Zig:21   | Noticed Inatu the pandemonium lord
231836 | Zig:21   | Noticed Wicaushu the pandemonium lord
231836 | Zig:21   | Killed Coqiy the pandemonium lord
231836 | Zig:21   | Noticed Letom the pandemonium lord
231837 | Zig:21   | Killed Haufeagg the pandemonium lord
231837 | Zig:21   | Killed Gabith the pandemonium lord
231837 | Zig:21   | Noticed Coowaawn the pandemonium lord
231838 | Zig:21   | Killed Coowaawn the pandemonium lord
231839 | Zig:21   | Killed Lungaq the pandemonium lord
231839 | Zig:21   | Noticed Astred the pandemonium lord
231839 | Zig:21   | Noticed Bioho the pandemonium lord
231839 | Zig:21   | Noticed Paf Ufef the pandemonium lord
231839 | Zig:21   | Killed Yxapn the pandemonium lord
231840 | Zig:21   | Killed Bioho the pandemonium lord
231840 | Zig:21   | Killed Astred the pandemonium lord
231840 | Zig:21   | Noticed Tadaez the pandemonium lord
231840 | Zig:21   | Noticed Lupteo the pandemonium lord
231841 | Zig:21   | Killed Letom the pandemonium lord
231841 | Zig:21   | Killed Wicaushu the pandemonium lord
231841 | Zig:21   | Noticed Pifasik the pandemonium lord
231842 | Zig:21   | Killed Xotutror the pandemonium lord
231843 | Zig:21   | Killed Pifasik the pandemonium lord
231843 | Zig:21   | Killed Paf Ufef the pandemonium lord
231843 | Zig:21   | Killed Inatu the pandemonium lord
231843 | Zig:21   | Noticed Ahiosouc the pandemonium lord
231844 | Zig:21   | Killed Tadaez the pandemonium lord
231845 | Zig:21   | Killed Ahiosouc the pandemonium lord
231845 | Zig:21   | Killed Lupteo the pandemonium lord
231847 | Zig:21   | Killed Ovysing the pandemonium lord
231847 | Zig:21   | Noticed Rohu Kae the pandemonium lord
231847 | Zig:21   | Noticed Dusil the pandemonium lord
231847 | Zig:21   | Noticed Yluemum the pandemonium lord
231848 | Zig:21   | Noticed Heguhur the pandemonium lord
231850 | Zig:21   | Noticed Fipuo the pandemonium lord
231850 | Zig:21   | Killed Yluemum the pandemonium lord
231851 | Zig:21   | Killed Dusil the pandemonium lord
231852 | Zig:21   | Killed Fipuo the pandemonium lord
231852 | Zig:21   | Noticed Takoxt the pandemonium lord
231852 | Zig:21   | Noticed Voqoopal the pandemonium lord
231853 | Zig:21   | Killed Heguhur the pandemonium lord
231853 | Zig:21   | Killed Rohu Kae the pandemonium lord
231853 | Zig:21   | Noticed Sumiwaw the pandemonium lord
231854 | Zig:21   | Noticed Watzinorch the pandemonium lord
231855 | Zig:21   | Killed Takoxt the pandemonium lord
231855 | Zig:21   | Noticed Qyqychuth the pandemonium lord
231856 | Zig:21   | Killed Watzinorch the pandemonium lord
231856 | Zig:21   | Killed Voqoopal the pandemonium lord
231856 | Zig:21   | Killed Ilu Emiw the pandemonium lord
231857 | Zig:21   | Killed Sumiwaw the pandemonium lord
231857 | Zig:21   | Noticed Hoitwodgh the pandemonium lord
231857 | Zig:21   | Noticed Kumaor the pandemonium lord
231858 | Zig:21   | Killed Kumaor the pandemonium lord
231858 | Zig:21   | Killed Kakuob the pandemonium lord
231858 | Zig:21   | Noticed Pureamig the pandemonium lord
231859 | Zig:21   | Noticed Ikurron the pandemonium lord
231860 | Zig:21   | Killed Hoitwodgh the pandemonium lord
231860 | Zig:21   | Killed Qyqychuth the pandemonium lord
231860 | Zig:21   | Noticed Jetzaa the pandemonium lord
231860 | Zig:21   | Noticed Xeuraun the pandemonium lord
231862 | Zig:21   | Killed Ikurron the pandemonium lord
231862 | Zig:21   | Killed Pureamig the pandemonium lord
231862 | Zig:21   | Killed Xeuraun the pandemonium lord
231862 | Zig:21   | Noticed Koocotyd the pandemonium lord
231862 | Zig:21   | Noticed Zakhluliur the pandemonium lord
231862 | Zig:21   | Noticed Sanka Nepp the pandemonium lord
231863 | Zig:21   | Killed Jetzaa the pandemonium lord
231863 | Zig:21   | Noticed Baumoap the pandemonium lord
231863 | Zig:21   | Noticed Ixixt the pandemonium lord
231864 | Zig:21   | Killed Sanka Nepp the pandemonium lord
231864 | Zig:21   | Killed Baumoap the pandemonium lord
231864 | Zig:21   | Noticed Rigon the pandemonium lord
231864 | Zig:21   | Noticed Heweyzor the pandemonium lord
231864 | Zig:21   | Noticed Haffax the pandemonium lord
231864 | Zig:21   | Killed Jusymn the pandemonium lord
231865 | Zig:21   | Killed Zakhluliur the pandemonium lord
231865 | Zig:21   | Killed Koocotyd the pandemonium lord
231866 | Zig:21   | Killed Haffax the pandemonium lord
231867 | Zig:21   | Killed Ixixt the pandemonium lord
231867 | Zig:21   | Noticed Gadall the pandemonium lord
231867 | Zig:21   | Noticed Vupicinu the pandemonium lord
231868 | Zig:21   | Killed Tahipp the pandemonium lord
231868 | Zig:21   | Killed Baph the pandemonium lord
231868 | Zig:21   | Killed Uqo Deuc the pandemonium lord
231868 | Zig:21   | Killed Zul Bef the pandemonium lord
231868 | Zig:21   | Killed Vupicinu the pandemonium lord
231869 | Zig:21   | Noticed Feopyh the pandemonium lord
231869 | Zig:21   | Noticed Zuosk the pandemonium lord
231869 | Zig:21   | Noticed Keruj the pandemonium lord
231869 | Zig:21   | Killed Keruj the pandemonium lord
231869 | Zig:21   | Killed Heweyzor the pandemonium lord
231870 | Zig:21   | Noticed Teedofer the pandemonium lord
231870 | Zig:21   | Noticed Peekhil the pandemonium lord
231870 | Zig:21   | Killed Zuosk the pandemonium lord
231870 | Zig:21   | Killed Feopyh the pandemonium lord
231870 | Zig:21   | Killed Gadall the pandemonium lord
231870 | Zig:21   | Killed Peekhil the pandemonium lord
231870 | Zig:21   | Killed Zasmy the pandemonium lord
231870 | Zig:21   | Killed Xaexkodi the pandemonium lord
231870 | Zig:21   | Noticed Jienaf the pandemonium lord
231870 | Zig:21   | Killed Jienaf the pandemonium lord
231870 | Zig:21   | Noticed Sanozan the pandemonium lord
231871 | Zig:21   | Noticed Qaeziu the pandemonium lord
231872 | Zig:21   | Killed Teedofer the pandemonium lord
231873 | Zig:21   | Killed Sanozan the pandemonium lord
231873 | Zig:21   | Killed Iheafoj the pandemonium lord
231873 | Zig:21   | Killed Ighuw the pandemonium lord
231873 | Zig:21   | Noticed Vaanga the pandemonium lord
231873 | Zig:21   | Killed Yckehogh the pandemonium lord
231873 | Zig:21   | Killed Nyveoqui the pandemonium lord
231874 | Zig:21   | Noticed Vaebom the pandemonium lord
231874 | Zig:21   | Killed Qaeziu the pandemonium lord
231874 | Zig:21   | Noticed Xamistrui the pandemonium lord
231875 | Zig:21   | Noticed Cempawy the pandemonium lord
231875 | Zig:21   | Noticed Rusukkox the pandemonium lord
231875 | Zig:21   | Killed Xamistrui the pandemonium lord
231875 | Zig:21   | Noticed Cekhorph the pandemonium lord
231875 | Zig:21   | Noticed Ezif the pandemonium lord
231875 | Zig:21   | Killed Voilawky the pandemonium lord
231875 | Zig:21   | Killed Rigon the pandemonium lord
231875 | Zig:21   | Noticed Dofuf the pandemonium lord
231876 | Zig:21   | Noticed Qoghink the pandemonium lord
231876 | Zig:21   | Noticed Nuosyqy the pandemonium lord
231876 | Zig:21   | Killed Cempawy the pandemonium lord
231876 | Zig:21   | Killed Dofuf the pandemonium lord
231876 | Zig:21   | Killed Nuosyqy the pandemonium lord
231876 | Zig:21   | Killed Tivede Imne the pandemonium lord
231876 | Zig:21   | Killed Zuash the pandemonium lord
231876 | Zig:21   | Noticed Fyjeles the pandemonium lord
231876 | Zig:21   | Noticed Wifee the pandemonium lord
231877 | Zig:21   | Noticed Pyllexye the pandemonium lord
231877 | Zig:21   | Killed Vaebom the pandemonium lord
231878 | Zig:21   | Noticed Dehi the pandemonium lord
231878 | Zig:21   | Noticed Cuseolodaos the pandemonium lord
231878 | Zig:21   | Killed Rusukkox the pandemonium lord
231879 | Zig:21   | Noticed Nojef the pandemonium lord
231879 | Zig:21   | Killed Cuseolodaos the pandemonium lord
231879 | Zig:21   | Killed Cekhorph the pandemonium lord
231879 | Zig:21   | Killed Qoghink the pandemonium lord
231879 | Zig:21   | Noticed Kokli the pandemonium lord
231879 | Zig:21   | Noticed Woedod the pandemonium lord
231880 | Zig:21   | Noticed Raiqinke the pandemonium lord
231881 | Zig:21   | Killed Dehi the pandemonium lord
231881 | Zig:21   | Killed Pyllexye the pandemonium lord
231881 | Zig:21   | Killed Ezif the pandemonium lord
231881 | Zig:21   | Killed Raiqinke the pandemonium lord
231881 | Zig:21   | Noticed Wuok the pandemonium lord
231882 | Zig:21   | Killed Kokli the pandemonium lord
231882 | Zig:21   | Killed Wifee the pandemonium lord
231882 | Zig:21   | Noticed Xeoh the pandemonium lord
231883 | Zig:21   | Noticed Kayrph the pandemonium lord
231884 | Zig:21   | Noticed Tecekly the pandemonium lord
231885 | Zig:21   | Noticed Umilekivu the pandemonium lord
231886 | Zig:21   | Killed Xeoh the pandemonium lord
231886 | Zig:21   | Killed Nojef the pandemonium lord
231888 | Zig:21   | Killed Fyjeles the pandemonium lord
231888 | Zig:21   | Noticed Sotrucuf the pandemonium lord
231889 | Zig:21   | Noticed Oham the pandemonium lord
231889 | Zig:21   | Noticed Muerimett the pandemonium lord
231889 | Zig:21   | Noticed Dazewoza the pandemonium lord
231890 | Zig:21   | Killed Tecekly the pandemonium lord
231890 | Zig:21   | Killed Woedod the pandemonium lord
231890 | Zig:21   | Noticed Acroru the pandemonium lord
231890 | Zig:21   | Noticed Anof the pandemonium lord
231890 | Zig:21   | Noticed Enyotige the pandemonium lord
231891 | Zig:21   | Noticed Unwif the pandemonium lord
231892 | Zig:21   | Killed Anof the pandemonium lord
231892 | Zig:21   | Killed Vaanga the pandemonium lord
231892 | Zig:21   | Killed Sotrucuf the pandemonium lord
231892 | Zig:21   | Killed Muerimett the pandemonium lord
231892 | Zig:21   | Killed Kayrph the pandemonium lord
231893 | Zig:21   | Killed Cihougimn the pandemonium lord
231893 | Zig:21   | Killed Hotrog the pandemonium lord
231893 | Zig:21   | Noticed Watzan the pandemonium lord
231893 | Zig:21   | Noticed Copp the pandemonium lord
231894 | Zig:21   | Killed Umilekivu the pandemonium lord
231894 | Zig:21   | Noticed Seetz the pandemonium lord
231894 | Zig:21   | Killed Watzan the pandemonium lord
231895 | Zig:21   | Killed Acroru the pandemonium lord
231895 | Zig:21   | Killed Wuok the pandemonium lord
231895 | Zig:21   | Killed Unwif the pandemonium lord
231895 | Zig:21   | Noticed Gasuczo Iff the pandemonium lord
231896 | Zig:21   | Killed Seetz the pandemonium lord
231897 | Zig:21   | Killed Enyotige the pandemonium lord
231897 | Zig:21   | Noticed Besisith the pandemonium lord
231897 | Zig:21   | Noticed Gaino the pandemonium lord
231897 | Zig:21   | Noticed Soutz the pandemonium lord
231898 | Zig:21   | Killed Copp the pandemonium lord
231898 | Zig:21   | Killed Gasuczo Iff the pandemonium lord
231899 | Zig:21   | Killed Soutz the pandemonium lord
231900 | Zig:21   | Killed Gaino the pandemonium lord
231900 | Zig:21   | Noticed Acuskoal the pandemonium lord
231902 | Zig:21   | Noticed Kotopouxt the pandemonium lord
231905 | Zig:21   | Noticed Evuarona the pandemonium lord
231905 | Zig:21   | Killed Besisith the pandemonium lord
231906 | Zig:21   | Noticed Oxeala the pandemonium lord
231907 | Zig:21   | Noticed Evifronu the pandemonium lord
231907 | Zig:21   | Killed Oham the pandemonium lord
231907 | Zig:21   | Killed Evuarona the pandemonium lord
231907 | Zig:21   | Killed Acuskoal the pandemonium lord
231907 | Zig:21   | Killed Kotopouxt the pandemonium lord
231907 | Zig:21   | Noticed Kogaco the pandemonium lord
231908 | Zig:21   | Killed Oxeala the pandemonium lord
231908 | Zig:21   | Killed Dazewoza the pandemonium lord
231908 | Zig:21   | Killed Evifronu the pandemonium lord
231909 | Zig:21   | Killed Kogaco the pandemonium lord
231911 | Zig:21   | Noticed Dothoh the pandemonium lord
231911 | Zig:21   | Noticed Qithrum the pandemonium lord
231911 | Zig:21   | Noticed Vexkibab the pandemonium lord
231912 | Zig:21   | Killed Qithrum the pandemonium lord
231912 | Zig:21   | Killed Dothoh the pandemonium lord
231912 | Zig:21   | Noticed Ihimekk the pandemonium lord
231913 | Zig:21   | Killed Ihimekk the pandemonium lord
231914 | Zig:21   | Noticed Edovir the pandemonium lord
231915 | Zig:21   | Killed Vexkibab the pandemonium lord
231915 | Zig:21   | Killed Edovir the pandemonium lord
231917 | Zig:21   | Noticed Xino the pandemonium lord
231920 | Zig:21   | Killed Xino the pandemonium lord
231921 | Zig:21   | Noticed Ocwegg the pandemonium lord
231922 | Zig:21   | Noticed Koenu the pandemonium lord
231923 | Zig:21   | Killed Koenu the pandemonium lord
231924 | Zig:21   | Noticed Lyledd the pandemonium lord
231924 | Zig:21   | Noticed Ixke the pandemonium lord
231924 | Zig:21   | Killed Ocwegg the pandemonium lord
231924 | Zig:21   | Noticed Ymostyism the pandemonium lord
231925 | Zig:21   | Noticed Widaaterph the pandemonium lord
231927 | Zig:21   | Noticed Ehupleud the pandemonium lord
231927 | Zig:21   | Killed Lyledd the pandemonium lord
231927 | Zig:21   | Killed Ymostyism the pandemonium lord
231927 | Zig:21   | Noticed Buap Jemp the pandemonium lord
231927 | Zig:21   | Noticed Xyisy the pandemonium lord
231927 | Zig:21   | Noticed Lomewku the pandemonium lord
231928 | Zig:21   | Killed Ixke the pandemonium lord
231929 | Zig:21   | Killed Xyisy the pandemonium lord
231929 | Zig:21   | Killed Ehupleud the pandemonium lord
231933 | Zig:21   | Noticed Zuxaqa the pandemonium lord
231934 | Zig:21   | Killed Widaaterph the pandemonium lord
231935 | Zig:21   | Noticed Paxtunt the pandemonium lord
231936 | Zig:21   | Killed Paxtunt the pandemonium lord
231938 | Zig:21   | Noticed Kiug the pandemonium lord
231940 | Zig:21   | Killed Zuxaqa the pandemonium lord
231940 | Zig:21   | Noticed Exkoopept the pandemonium lord
231940 | Zig:21   | Noticed Wero the pandemonium lord
231943 | Zig:21   | Killed Wero the pandemonium lord
231943 | Zig:21   | Killed Lomewku the pandemonium lord
231944 | Zig:21   | Killed Kiug the pandemonium lord
231945 | Zig:21   | Killed Buap Jemp the pandemonium lord
231945 | Zig:21   | Noticed Ridaze the pandemonium lord
231947 | Zig:21   | Noticed Hadop the pandemonium lord
231948 | Zig:21   | Killed Exkoopept the pandemonium lord
231948 | Zig:21   | Noticed Nirchugaex the pandemonium lord
231950 | Zig:21   | Killed Hadop the pandemonium lord
231950 | Zig:21   | Killed Ridaze the pandemonium lord
231952 | Zig:21   | Killed Isasanta the pandemonium lord
231958 | Zig:21   | Killed Nirchugaex the pandemonium lord
231958 | Zig:21   | Noticed Meopyhon the pandemonium lord
231959 | Zig:21   | Killed Meopyhon the pandemonium lord
231961 | Zig:21   | Noticed Voulo the pandemonium lord
231962 | Zig:21   | Noticed Ciess the pandemonium lord
231964 | Zig:21   | Killed Voulo the pandemonium lord
231965 | Zig:21   | Killed Ciess the pandemonium lord
231966 | Zig:21   | Noticed Voth the pandemonium lord
231972 | Zig:21   | Killed Voth the pandemonium lord
232284 | Zig:21   | Identified the +0 broad axe of Misery {holy, rPois rF+
                  | Str+2 Int+3}
232285 | Zig:21   | Identified the +4 glaive of Terror {speed, Stlth+}
232286 | Zig:21   | Identified the +9 demon trident of Cataclysm {venom, *Noise
                  | rPois rF++ Int-4}
232293 | Zig:21   | Identified the +6 orcbow "Ereomeet" {speed, +Blink rF+}
232294 | Zig:21   | Identified the +2 ring mail of Vaaw {rElec}
232299 | Zig:21   | Identified the +4 halberd of Ligg {flame, rElec Will+
                  | Dex+2}
232308 | Zig:21   | Identified the amulet "Dopn" {Faith Rampage rElec rF+}
232315 | Zig:21   | Identified the +7 eudemon blade of Cheibriados's Regard
                  | {holy, rPois rF+++ Int-3}
232318 | Zig:21   | Identified the staff of Traps {Str+4 Dex-5 Conj}
232324 | Zig:21   | Identified the staff of Agony {rC+ rN+ Will- Fire Ice}
232329 | Zig:21   | Identified the +1 ring mail of Wrong Decisions {Slay+4}
232334 | Zig:21   | Identified the +0 mace "Memu" {flame, rN+ Str+2}
232354 | Zig:22   | Entered Level 22 of a ziggurat
232472 | Zig:22   | Identified the staff "Wousch Joli" {rPois rN+ MP+9 Alchemy}
233057 | Zig:22   | Identified the ring "Neadgh" {rPois Will+ MP-9 Int+6 SInv}
233059 | Zig:22   | Identified the +2 war axe "Orb Guardian's Bane" {drain,
                  | Int+3}
233066 | Zig:22   | Identified the +3 trident of the Wary Hells {holy, Will++}
233067 | Zig:22   | Identified the ring of Virtue {rElec rF+ Will- rCorr MP+9}
233102 | Zig:22   | Identified the +6 halberd "Ymni" {speed, Int+2}
233108 | Zig:22   | Identified the ring "Zakk" {Ice *Corrode rElec Str+2}
233110 | Zig:22   | Identified the +1 short sword of Desertification {protect,
                  | Will+ Str+4 Stlth-}
233116 | Zig:22   | Identified the ring of Narig {MP-9 EV+5 Dex+5}
233120 | Zig:22   | Identified the +9 long sword of the Ecumenical Temple
                  | {freeze, MP+9}
233129 | Zig:22   | Identified the ring "Otyunt" {rPois MP+9}
233172 | Zig:22   | Identified the +0 acid dragon scales "Lafecay" {rPois rC+
                  | rCorr}
233183 | Zig:22   | Identified the +2 scale mail "Dufugh" {-Tele Int+4 Dex+8}
233275 | Zig:23   | Entered Level 23 of a ziggurat
233275 | Zig:23   | Noticed a royal mummy
233275 | Zig:23   | Noticed a royal mummy
233275 | Zig:23   | Noticed a royal mummy
233275 | Zig:23   | Noticed a royal mummy
233275 | Zig:23   | Noticed a royal mummy
233275 | Zig:23   | Noticed a royal mummy
233275 | Zig:23   | Noticed a royal mummy
233275 | Zig:23   | Noticed a royal mummy
233275 | Zig:23   | Noticed a royal mummy
233275 | Zig:23   | Noticed a royal mummy
233275 | Zig:23   | Noticed a royal mummy
233275 | Zig:23   | Noticed a royal mummy
233275 | Zig:23   | Noticed a royal mummy
233275 | Zig:23   | Noticed a royal mummy
233275 | Zig:23   | Noticed a royal mummy
233275 | Zig:23   | Noticed a royal mummy
233276 | Zig:23   | Killed a royal mummy
233276 | Zig:23   | Killed a royal mummy
233276 | Zig:23   | Killed a royal mummy
233276 | Zig:23   | Killed a royal mummy
233276 | Zig:23   | Killed a royal mummy
233276 | Zig:23   | Killed a royal mummy
233276 | Zig:23   | Killed a royal mummy
233276 | Zig:23   | Killed a royal mummy
233276 | Zig:23   | Killed a royal mummy
233276 | Zig:23   | Killed a royal mummy
233276 | Zig:23   | Killed a royal mummy
233276 | Zig:23   | Killed a royal mummy
233277 | Zig:23   | Killed a royal mummy
233277 | Zig:23   | Killed a royal mummy
233277 | Zig:23   | Killed a royal mummy
233277 | Zig:23   | Killed a royal mummy
233277 | Zig:23   | Killed a royal mummy
233278 | Zig:23   | Noticed a royal mummy
233280 | Zig:23   | Noticed a royal mummy
233281 | Zig:23   | Noticed a royal mummy
233282 | Zig:23   | Noticed a royal mummy
233282 | Zig:23   | Noticed a royal mummy
233282 | Zig:23   | Noticed a royal mummy
233282 | Zig:23   | Noticed a royal mummy
233282 | Zig:23   | Noticed a royal mummy
233282 | Zig:23   | Noticed a royal mummy
233283 | Zig:23   | Killed a royal mummy
233283 | Zig:23   | Killed a royal mummy
233283 | Zig:23   | Noticed a royal mummy
233283 | Zig:23   | Noticed a royal mummy
233283 | Zig:23   | Killed a royal mummy
233284 | Zig:23   | Killed a royal mummy
233284 | Zig:23   | Killed a royal mummy
233284 | Zig:23   | Killed a royal mummy
233284 | Zig:23   | Killed a royal mummy
233284 | Zig:23   | Killed a royal mummy
233284 | Zig:23   | Killed a royal mummy
233284 | Zig:23   | Noticed a royal mummy
233285 | Zig:23   | Noticed a royal mummy
233285 | Zig:23   | Noticed a royal mummy
233285 | Zig:23   | Noticed a royal mummy
233286 | Zig:23   | Killed a royal mummy
233286 | Zig:23   | Noticed a royal mummy
233286 | Zig:23   | Noticed a royal mummy
233287 | Zig:23   | Noticed a royal mummy
233288 | Zig:23   | Killed a royal mummy
233288 | Zig:23   | Killed a royal mummy
233288 | Zig:23   | Killed a royal mummy
233288 | Zig:23   | Noticed a royal mummy
233289 | Zig:23   | Killed a royal mummy
233289 | Zig:23   | Killed a royal mummy
233289 | Zig:23   | Killed a royal mummy
233289 | Zig:23   | Killed a royal mummy
233290 | Zig:23   | Noticed a royal mummy
233290 | Zig:23   | Noticed a royal mummy
233290 | Zig:23   | Noticed a royal mummy
233291 | Zig:23   | Killed a royal mummy
233291 | Zig:23   | Noticed a royal mummy
233292 | Zig:23   | Noticed a royal mummy
233293 | Zig:23   | Killed a royal mummy
233293 | Zig:23   | Killed a royal mummy
233293 | Zig:23   | Killed a royal mummy
233293 | Zig:23   | Killed a royal mummy
233293 | Zig:23   | Noticed a royal mummy
233293 | Zig:23   | Noticed a royal mummy
233293 | Zig:23   | Noticed a royal mummy
233294 | Zig:23   | Killed a royal mummy
233294 | Zig:23   | Killed a royal mummy
233295 | Zig:23   | Noticed a royal mummy
233295 | Zig:23   | Noticed a royal mummy
233295 | Zig:23   | Noticed a royal mummy
233296 | Zig:23   | Killed a royal mummy
233296 | Zig:23   | Noticed a royal mummy
233296 | Zig:23   | Noticed a royal mummy
233297 | Zig:23   | Noticed a royal mummy
233297 | Zig:23   | Killed a royal mummy
233297 | Zig:23   | Killed a royal mummy
233297 | Zig:23   | Killed a royal mummy
233297 | Zig:23   | Killed a royal mummy
233298 | Zig:23   | Killed a royal mummy
233298 | Zig:23   | Killed a royal mummy
233298 | Zig:23   | Killed a royal mummy
233298 | Zig:23   | Killed a royal mummy
233298 | Zig:23   | Noticed a royal mummy
233298 | Zig:23   | Noticed a royal mummy
233299 | Zig:23   | Noticed a royal mummy
233300 | Zig:23   | Killed a royal mummy
233300 | Zig:23   | Noticed a royal mummy
233301 | Zig:23   | Noticed a royal mummy
233302 | Zig:23   | Killed a royal mummy
233302 | Zig:23   | Killed a royal mummy
233302 | Zig:23   | Noticed a royal mummy
233302 | Zig:23   | Noticed a royal mummy
233303 | Zig:23   | Killed a royal mummy
233303 | Zig:23   | Killed a royal mummy
233303 | Zig:23   | Noticed a royal mummy
233303 | Zig:23   | Noticed a royal mummy
233304 | Zig:23   | Killed a royal mummy
233304 | Zig:23   | Noticed a royal mummy
233304 | Zig:23   | Noticed a royal mummy
233304 | Zig:23   | Noticed a royal mummy
233305 | Zig:23   | Killed a royal mummy
233305 | Zig:23   | Noticed a royal mummy
233306 | Zig:23   | Killed a royal mummy
233306 | Zig:23   | Killed a royal mummy
233306 | Zig:23   | Killed a royal mummy
233306 | Zig:23   | Noticed a royal mummy
233307 | Zig:23   | Killed a royal mummy
233307 | Zig:23   | Killed a royal mummy
233307 | Zig:23   | Noticed a royal mummy
233307 | Zig:23   | Noticed a royal mummy
233308 | Zig:23   | Noticed a royal mummy
233308 | Zig:23   | Noticed a royal mummy
233308 | Zig:23   | Noticed a royal mummy
233308 | Zig:23   | Noticed a royal mummy
233308 | Zig:23   | Noticed a royal mummy
233309 | Zig:23   | Killed a royal mummy
233309 | Zig:23   | Killed a royal mummy
233309 | Zig:23   | Noticed a royal mummy
233309 | Zig:23   | Noticed a royal mummy
233309 | Zig:23   | Noticed a royal mummy
233310 | Zig:23   | Killed a royal mummy
233310 | Zig:23   | Killed a royal mummy
233310 | Zig:23   | Killed a royal mummy
233310 | Zig:23   | Killed a royal mummy
233310 | Zig:23   | Killed a royal mummy
233310 | Zig:23   | Noticed a royal mummy
233311 | Zig:23   | Killed a royal mummy
233311 | Zig:23   | Killed a royal mummy
233311 | Zig:23   | Killed a royal mummy
233311 | Zig:23   | Noticed a royal mummy
233311 | Zig:23   | Noticed a royal mummy
233312 | Zig:23   | Killed a royal mummy
233312 | Zig:23   | Killed a royal mummy
233312 | Zig:23   | Killed a royal mummy
233312 | Zig:23   | Noticed a royal mummy
233312 | Zig:23   | Noticed a royal mummy
233313 | Zig:23   | Noticed a royal mummy
233313 | Zig:23   | Noticed a royal mummy
233313 | Zig:23   | Noticed a royal mummy
233313 | Zig:23   | Noticed a royal mummy
233314 | Zig:23   | Killed a royal mummy
233314 | Zig:23   | Killed a royal mummy
233314 | Zig:23   | Killed a royal mummy
233314 | Zig:23   | Killed a royal mummy
233315 | Zig:23   | Killed a royal mummy
233315 | Zig:23   | Killed a royal mummy
233315 | Zig:23   | Killed a royal mummy
233316 | Zig:23   | Noticed a royal mummy
233316 | Zig:23   | Killed a royal mummy
233316 | Zig:23   | Noticed a royal mummy
233317 | Zig:23   | Noticed a royal mummy
233317 | Zig:23   | Noticed a royal mummy
233319 | Zig:23   | Killed a royal mummy
233319 | Zig:23   | Noticed a royal mummy
233320 | Zig:23   | Killed a royal mummy
233320 | Zig:23   | Killed a royal mummy
233320 | Zig:23   | Killed a royal mummy
233320 | Zig:23   | Noticed a royal mummy
233321 | Zig:23   | Noticed a royal mummy
233321 | Zig:23   | Noticed a royal mummy
233321 | Zig:23   | Noticed a royal mummy
233322 | Zig:23   | Killed a royal mummy
233322 | Zig:23   | Killed a royal mummy
233322 | Zig:23   | Noticed a royal mummy
233323 | Zig:23   | Noticed a royal mummy
233324 | Zig:23   | Noticed a royal mummy
233324 | Zig:23   | Killed a royal mummy
233325 | Zig:23   | Killed a royal mummy
233325 | Zig:23   | Noticed a royal mummy
233326 | Zig:23   | Killed a royal mummy
233327 | Zig:23   | Noticed a royal mummy
233327 | Zig:23   | Killed a royal mummy
233327 | Zig:23   | Noticed a royal mummy
233328 | Zig:23   | Killed a royal mummy
233328 | Zig:23   | Killed a royal mummy
233328 | Zig:23   | Noticed a royal mummy
233330 | Zig:23   | Killed a royal mummy
233330 | Zig:23   | Killed a royal mummy
233332 | Zig:23   | Killed a royal mummy
233333 | Zig:23   | Noticed a royal mummy
233336 | Zig:23   | Killed a royal mummy
233339 | Zig:23   | Killed a royal mummy
233351 | Zig:23   | Identified the granite talisman of the Curupira {+Blink
                  | Int+2}
233352 | Zig:23   | Identified the +1 scale mail "Iduha" {+Blink rC- rN+}
233353 | Zig:23   | Identified the +2 lajatang of Moral Flaws {venom, Str+2
                  | Int+3}
233387 | Zig:23   | Identified the +5 shortbow of the Pits of Slime {flame,
                  | rCorr Int+8}
233397 | Zig:23   | Identified the +0 ring mail of Ximi {rCorr}
233405 | Zig:23   | Identified the +4 spear of Weckod {drain, Will+ Str+3
                  | Dex+3}
233406 | Zig:23   | Identified the +7 halberd of Emuum {flame, rN+ rCorr}
233408 | Zig:23   | Identified the +1 falchion of Kismet {spect, rCorr}
233414 | Zig:23   | Identified the +12 plate armour "Bolleb Ipna" {Harm rCorr
                  | Str-5}
234066 | Zig:23   | Identified the staff "Eridoari" {rElec rN+ Necro}
234070 | Zig:23   | Identified the +0 long sword "Yhesuzel" {speed, Will+ Str+2
                  | SInv}
234071 | Zig:23   | Identified the amulet of Wamoediw {Reflect ^Drain rF++
                  | Will+ SH+5}
234091 | Zig:24   | Entered Level 24 of a ziggurat
234096 | Zig:24   | Noticed a dread lich
234098 | Zig:24   | Killed a dread lich
234104 | Zig:24   | Noticed an ancient lich
234105 | Zig:24   | Killed an ancient lich
234221 | Zig:24   | Identified the +1 plate armour of Xamnuc {Will+}
234237 | Zig:24   | Identified the +5 great sword "Gyck" {freeze, ^Contam rCorr
                  | Str+2 Int+7}
234764 | Zig:24   | Identified the +2 chain mail "Utaroqo" {Fly rElec}
234779 | Zig:24   | Identified the +7 battleaxe of Extermination {flame, rPois
                  | rF+}
234791 | Zig:24   | Identified the +0 robe "Feofeomo" {Archmagi}
234797 | Zig:24   | Identified the +2 leather armour of Layv {Harm Dex+2}
234816 | Zig:24   | Identified the +5 hand axe of Qiur {holy, +Blink Will-
                  | Stlth+}
234838 | Zig:24   | Identified the +7 morningstar "Dragonbane" {protect, ^Drain
                  | Dex+4}
234843 | Zig:24   | Identified the +1 short sword of True Grit {freeze, Str+5
                  | SInv}
234857 | Zig:24   | Identified the ring of Zeah {Fire +Blink}
234874 | Zig:25   | Entered Level 25 of a ziggurat
234994 | Zig:25   | Identified the +7 ice dragon scales of Duck's Teeth {rPois
                  | rF- rC++ Int+3 Dex+3}
234995 | Zig:25   | Identified the staff "Nisiujuo" {rF- rN+ Dex+3 Summ Necro}
235005 | Zig:25   | Identified the +0 scimitar of Diruomet {venom, Str+2}
235011 | Zig:25   | Identified the +4 storm dragon scales of the Old World
                  | {rElec rN+}
235015 | Zig:25   | Identified the +11 sling of Darkness {elec, ^Drain rC+
                  | Will+}
235094 | Zig:25   | Identified the +4 ring mail of the Jumping Gods {rPois rC+
                  | Int+3 Stlth+}
235095 | Zig:25   | Identified the staff of the Charming Visionary {rF+ rN+
                  | Str+4 Int+2 Necro}
235098 | Zig:25   | Identified the +6 lajatang "Kekh" {flame, +Blink}
235105 | Zig:25   | Identified the +1 plate armour "Roqek" {rN+}
235281 | Zig:26   | Entered Level 26 of a ziggurat
235362 | Zig:26   | Identified the staff "Miptur" {rElec rPois rC+++ Stlth-
                  | Alchemy}
235363 | Zig:26   | Identified the +8 glaive of Sudden Death {venom, rPois
                  | rC+++ Will+ Str-5}
235412 | Zig:26   | Identified the +4 halberd of Enormous Exoneration {flame,
                  | Int+4}
235424 | Zig:26   | Identified the +0 ring mail of Defence {*Slow Fly Dex+3}
235437 | Zig:26   | Identified the staff "Demonspawn's Regret" {^Fragile rN+
                  | Dex+5 Earth}
235453 | Zig:26   | Identified the +8 triple sword of the Furious {antimagic,
                  | *Slow +Blink rElec Str+3}
235477 | Zig:26   | Identified the +4 shortbow "Etis" {flame, rF+ rC+ Will+
                  | Int-3}
235478 | Zig:26   | Identified the amulet "Ciasuole" {rPois rF++ Regen+ SInv}
235488 | Zig:26   | Identified the ring of Music {Wiz Dex-5 Slay+5}
235499 | Zig:26   | Identified the amulet of Tuq Aduu {Reflect +Blink SH+5 SInv
                  | Stlth+}
235503 | Zig:26   | Identified the +2 scimitar of Unpleasantness {elec, Dex+3}
235504 | Zig:26   | Identified the ring "Duxuod" {rElec rF+ rC- rCorr Dex+3}
235509 | Zig:26   | Identified the +6 chain mail "Licyit" {-Cast Regen+ rCorr
                  | Stlth+}
235510 | Zig:26   | Identified the +10 shortbow "Nallar" {freeze, Int+5}
235720 | Zig:27   | Entered Level 27 of a ziggurat
235843 | Zig:27   | Identified the staff of Vestryoku {rF+ Hexes Necro Fire}
235846 | Zig:27   | Identified the ring "Zioph" {MP+9 Int+2}
235868 | Zig:27   | Identified the +3 plate armour of Thoughtfulness {Str+2
                  | Slay+2}
236273 | Depths:3 | Acquired 742 gold pieces
236274 | Depths:3 | Acquired 467 gold pieces
236275 | Depths:3 | Acquired 798 gold pieces
236284 | Zig:1    | Entered Level 1 of a ziggurat
236284 | Zig:1    | Noticed an ancient lich
236284 | Zig:1    | Noticed an ancient lich
236284 | Zig:1    | Noticed an ancient lich
236285 | Zig:1    | Killed an ancient lich
236286 | Zig:1    | Killed an ancient lich
236286 | Zig:1    | Killed an ancient lich
236340 | Zig:2    | Entered Level 2 of a ziggurat
236340 | Zig:2    | Identified the +8 tower shield "Ihuun" {rElec rC+ Stlth+}
236340 | Zig:2    | Identified the +0 tower shield of Ehawiow {Harm rF+ Regen+}
236340 | Zig:2    | Identified the +6 tower shield of Beogh's Regard {*Slow
                  | Dex+7}
236340 | Zig:2    | Noticed a seraph
236344 | Zig:2    | Killed a seraph
236433 | Zig:2    | Identified the +1 leather armour of an ossuary {rPois Int+3
                  | Dex-3}
236461 | Zig:3    | Entered Level 3 of a ziggurat
236513 | Zig:3    | Identified the +0 leather armour of Pamacaoh {^Drain Dex+6}
236641 | Zig:4    | Entered Level 4 of a ziggurat
236641 | Zig:4    | Noticed a juggernaut
236641 | Zig:4    | Noticed a juggernaut
236641 | Zig:4    | Noticed a juggernaut
236643 | Zig:4    | Killed a juggernaut
236643 | Zig:4    | Killed a juggernaut
236643 | Zig:4    | Killed a juggernaut
236827 | Zig:5    | Entered Level 5 of a ziggurat
236827 | Zig:5    | Noticed a juggernaut
236827 | Zig:5    | Noticed a juggernaut
236827 | Zig:5    | Noticed a juggernaut
236827 | Zig:5    | Noticed a juggernaut
236827 | Zig:5    | Noticed a juggernaut
236827 | Zig:5    | Noticed a juggernaut
236827 | Zig:5    | Noticed a juggernaut
236827 | Zig:5    | Noticed a juggernaut
236828 | Zig:5    | Killed a juggernaut
236828 | Zig:5    | Killed a juggernaut
236828 | Zig:5    | Killed a juggernaut
236828 | Zig:5    | Killed a juggernaut
236828 | Zig:5    | Killed a juggernaut
236828 | Zig:5    | Killed a juggernaut
236829 | Zig:5    | Killed a juggernaut
236832 | Zig:5    | Killed a juggernaut
236892 | Zig:5    | Identified the +2 robe of the Treeataur {rN+ Dex+2}
236910 | Zig:5    | Identified the +4 whip of the Arena {flame, rF+}
237067 | Zig:6    | Entered Level 6 of a ziggurat
237317 | Zig:6    | Identified the +3 great mace of the Final Decision {freeze,
                  | rF++ rN+ Str+3 Int+3}
237370 | Zig:7    | Entered Level 7 of a ziggurat
237375 | Zig:7    | Noticed Ynoyg the pandemonium lord
237377 | Zig:7    | Killed Ynoyg the pandemonium lord
237646 | Zig:8    | Entered Level 8 of a ziggurat
237646 | Zig:8    | Noticed a juggernaut
237646 | Zig:8    | Noticed a juggernaut
237646 | Zig:8    | Noticed a juggernaut
237646 | Zig:8    | Noticed a juggernaut
237646 | Zig:8    | Noticed a juggernaut
237646 | Zig:8    | Noticed a juggernaut
237646 | Zig:8    | Noticed a juggernaut
237646 | Zig:8    | Noticed a juggernaut
237647 | Zig:8    | Killed a juggernaut
237648 | Zig:8    | Killed a juggernaut
237648 | Zig:8    | Killed a juggernaut
237648 | Zig:8    | Killed a juggernaut
237649 | Zig:8    | Noticed a juggernaut
237649 | Zig:8    | Noticed a juggernaut
237650 | Zig:8    | Killed a juggernaut
237650 | Zig:8    | Killed a juggernaut
237650 | Zig:8    | Killed a juggernaut
237650 | Zig:8    | Killed a juggernaut
237651 | Zig:8    | Noticed a juggernaut
237651 | Zig:8    | Noticed a juggernaut
237652 | Zig:8    | Killed a juggernaut
237652 | Zig:8    | Noticed a juggernaut
237652 | Zig:8    | Noticed a juggernaut
237654 | Zig:8    | Killed a juggernaut
237654 | Zig:8    | Killed a juggernaut
237654 | Zig:8    | Killed a juggernaut
237654 | Zig:8    | Noticed a juggernaut
237656 | Zig:8    | Killed a juggernaut
237656 | Zig:8    | Killed a juggernaut
237661 | Zig:8    | Killed a juggernaut
237664 | Zig:8    | Identified the amulet of False Pretenses {RegenMP Dex+5}
237949 | Zig:8    | Identified the +4 leather armour "Pammahat" {+Blink Dex+2}
238004 | Zig:8    | Identified the +10 eudemon blade "Vuyh" {holy, Int+2}
238005 | Zig:8    | Identified the staff of the Eight Princes {rN+ Dex+3 Necro
                  | Earth}
238037 | Zig:9    | Entered Level 9 of a ziggurat
238042 | Zig:9    | Noticed an ancient lich
238043 | Zig:9    | Noticed an ancient lich
238047 | Zig:9    | Killed an ancient lich
238048 | Zig:9    | Killed an ancient lich
238060 | Zig:9    | Identified the ring "Xowin" {rN+ Will+ MP+9 Slay+3 Stlth+}
238100 | Zig:9    | Identified the ring of Gozag's Grace {^Drain rF+ rN+ Str+2
                  | Dex+6}
238108 | Zig:9    | Identified the ring "Ilaorpha" {MP+9 AC+4 Int+3}
238119 | Zig:9    | Identified the +5 hand axe of Karma {flame, rF+++ rC-
                  | Str+5}
238413 | Zig:10   | Entered Level 10 of a ziggurat
238825 | Zig:10   | Identified the +4 double sword "Dodgh" {vamp, ^Fragile
                  | Str+5}
238904 | Zig:11   | Entered Level 11 of a ziggurat
238904 | Zig:11   | Noticed a dread lich
238904 | Zig:11   | Noticed a dread lich
238904 | Zig:11   | Noticed an ancient lich
238904 | Zig:11   | Noticed a dread lich
238904 | Zig:11   | Noticed an ancient lich
238904 | Zig:11   | Noticed an ancient lich
238904 | Zig:11   | Noticed a dread lich
238904 | Zig:11   | Noticed a dread lich
238904 | Zig:11   | Noticed an ancient lich
238904 | Zig:11   | Noticed an ancient lich
238904 | Zig:11   | Noticed a dread lich
238904 | Zig:11   | Noticed an ancient lich
238904 | Zig:11   | Noticed a dread lich
238904 | Zig:11   | Noticed a dread lich
238904 | Zig:11   | Noticed an ancient lich
238904 | Zig:11   | Noticed a dread lich
238905 | Zig:11   | Killed a dread lich
238905 | Zig:11   | Killed a dread lich
238905 | Zig:11   | Killed an ancient lich
238905 | Zig:11   | Killed an ancient lich
238905 | Zig:11   | Killed an ancient lich
238905 | Zig:11   | Killed a dread lich
238906 | Zig:11   | Killed a dread lich
238906 | Zig:11   | Killed an ancient lich
238906 | Zig:11   | Killed a dread lich
238906 | Zig:11   | Killed an ancient lich
238906 | Zig:11   | Killed a dread lich
238906 | Zig:11   | Killed a dread lich
238906 | Zig:11   | Killed an ancient lich
238906 | Zig:11   | Killed a dread lich
238906 | Zig:11   | Killed a dread lich
238906 | Zig:11   | Noticed a dread lich
238906 | Zig:11   | Noticed a dread lich
238907 | Zig:11   | Noticed an ancient lich
238907 | Zig:11   | Noticed an ancient lich
238907 | Zig:11   | Noticed an ancient lich
238907 | Zig:11   | Noticed an ancient lich
238908 | Zig:11   | Killed an ancient lich
238908 | Zig:11   | Killed a dread lich
238908 | Zig:11   | Killed an ancient lich
238908 | Zig:11   | Noticed an ancient lich
238908 | Zig:11   | Noticed an ancient lich
238908 | Zig:11   | Noticed a dread lich
238909 | Zig:11   | Noticed a dread lich
238909 | Zig:11   | Noticed an ancient lich
238909 | Zig:11   | Noticed an ancient lich
238910 | Zig:11   | Noticed an ancient lich
238910 | Zig:11   | Killed a dread lich
238910 | Zig:11   | Killed an ancient lich
238910 | Zig:11   | Killed an ancient lich
238910 | Zig:11   | Killed an ancient lich
238910 | Zig:11   | Killed an ancient lich
238910 | Zig:11   | Killed an ancient lich
238910 | Zig:11   | Killed an ancient lich
238911 | Zig:11   | Killed a dread lich
238911 | Zig:11   | Killed an ancient lich
238911 | Zig:11   | Killed a dread lich
238911 | Zig:11   | Killed an ancient lich
238912 | Zig:11   | Noticed an ancient lich
238912 | Zig:11   | Noticed an ancient lich
238913 | Zig:11   | Noticed a dread lich
238913 | Zig:11   | Killed an ancient lich
238913 | Zig:11   | Noticed an ancient lich
238913 | Zig:11   | Noticed an ancient lich
238913 | Zig:11   | Noticed an ancient lich
238914 | Zig:11   | Noticed an ancient lich
238914 | Zig:11   | Noticed an ancient lich
238914 | Zig:11   | Noticed a dread lich
238914 | Zig:11   | Noticed a dread lich
238914 | Zig:11   | Noticed a dread lich
238914 | Zig:11   | Noticed a dread lich
238915 | Zig:11   | Killed an ancient lich
238915 | Zig:11   | Killed a dread lich
238915 | Zig:11   | Killed an ancient lich
238915 | Zig:11   | Killed an ancient lich
238915 | Zig:11   | Killed a dread lich
238915 | Zig:11   | Killed a dread lich
238915 | Zig:11   | Killed a dread lich
238915 | Zig:11   | Noticed a dread lich
238916 | Zig:11   | Killed an ancient lich
238916 | Zig:11   | Killed an ancient lich
238916 | Zig:11   | Killed an ancient lich
238916 | Zig:11   | Killed a dread lich
238916 | Zig:11   | Killed a dread lich
238916 | Zig:11   | Noticed an ancient lich
238916 | Zig:11   | Noticed a dread lich
238916 | Zig:11   | Noticed an ancient lich
238917 | Zig:11   | Noticed a dread lich
238917 | Zig:11   | Noticed a dread lich
238917 | Zig:11   | Noticed an ancient lich
238917 | Zig:11   | Noticed a dread lich
238918 | Zig:11   | Killed an ancient lich
238918 | Zig:11   | Killed a dread lich
238918 | Zig:11   | Killed a dread lich
238918 | Zig:11   | Killed an ancient lich
238919 | Zig:11   | Noticed a dread lich
238919 | Zig:11   | Killed an ancient lich
238919 | Zig:11   | Killed a dread lich
238919 | Zig:11   | Killed a dread lich
238919 | Zig:11   | Noticed a dread lich
238919 | Zig:11   | Noticed a dread lich
238920 | Zig:11   | Noticed a dread lich
238921 | Zig:11   | Killed a dread lich
238921 | Zig:11   | Killed a dread lich
238922 | Zig:11   | Killed a dread lich
238922 | Zig:11   | Killed a dread lich
238966 | Zig:11   | Identified the +5 plate armour of Etwin {Regen+ Int+5}
238980 | Zig:11   | Identified the +4 chain mail of Focus {rF+ Dex+2}
238981 | Zig:11   | Identified the +4 ring mail "Ugatzof" {rC- Int-5 Dex+8
                  | Slay+4}
238996 | Zig:11   | Identified the +1 long sword of Ypeth {flame, Fly rC+
                  | Dex-4}
239289 | Zig:12   | Entered Level 12 of a ziggurat
239724 | Zig:12   | Identified the +0 great sword of Cudiuber {venom, Dex+3}
239728 | Zig:12   | Identified the +4 plate armour of Unambiguity {Dex+3
                  | Slay+3}
239788 | Zig:13   | Entered Level 13 of a ziggurat
239830 | Zig:13   | Identified the ring "Ificui Ythruch" {rElec rPois Will-
                  | Str+6 Dex+4}
239851 | Zig:13   | Identified the amulet "Fungok" {RegenMP Str+3 Dex+4}
239863 | Zig:13   | Identified the +0 helmet of the Centaur {rElec Str+4}
239866 | Zig:13   | Identified the ring of Qazlal's Hope {rPois Will++ Dex+3
                  | SInv Stlth-}
239902 | Zig:13   | Identified the ring "Taevaigo" {Wiz rC+}
239906 | Zig:13   | Identified the +7 trident of Pride {vamp, rCorr Str+3
                  | Dex+3}
239908 | Zig:13   | Identified the +1 scale mail of the Earth {+Blink rCorr
                  | SInv}
240319 | Zig:14   | Entered Level 14 of a ziggurat
240336 | Zig:14   | Noticed a dread lich
240345 | Zig:14   | Killed a dread lich
240348 | Zig:14   | Identified the ring "Mojacsieth" {rN+ Str+3}
240387 | Zig:14   | Identified the +1 orcbow "Goblinslayer" {drain, rPois rN+
                  | Str+2}
240650 | Zig:14   | Identified the +0 scale mail of Raor {Rampage *Slow +Blink
                  | rElec}
240651 | Zig:14   | Identified the +2 helmet of the Swan {rC+ Str+2}
240663 | Zig:14   | Identified the ring of Anarchy {Wiz rPois rF- rC+ Str+5}
240724 | Zig:14   | Identified the +1 short sword "Curos" {freeze, rN+ Dex+4}
240755 | Zig:14   | Identified the +0 ring mail of the Enchanted Forest
                  | {Slay+2}
240757 | Zig:14   | Identified the +2 demon trident of the Pyrrhic Victory
                  | {flame, ^Contam rN+ Str+2 Int+2}
240762 | Zig:14   | Identified the +1 glaive "Impslayer" {drain, rN+}
240776 | Zig:15   | Entered Level 15 of a ziggurat
240817 | Zig:15   | Identified the +0 ring mail "Jeuny" {Fly}
240852 | Zig:15   | Identified the +1 plate armour of the Hills {rF+}
240860 | Zig:15   | Identified the +3 leather armour "Asainiem" {Stlth+}
240862 | Zig:15   | Identified the +1 leather armour "Lobb" {Harm rPois}
240867 | Zig:15   | Identified the ring "Jimnavuc" {rPois rF+ Int+6}
240887 | Zig:15   | Identified the +2 chain mail of the Stag {rF+ Int-5 Dex+4}
240903 | Zig:15   | Identified the +0 storm dragon scales of Peek-a-Boo {rElec
                  | rPois rCorr Int+4}
240904 | Zig:15   | Identified the +1 short sword of Qeomoet {drain, Will+}
241389 | Zig:16   | Entered Level 16 of a ziggurat
241406 | Zig:16   | Paralysed by an air elemental for 1 turns
241431 | Zig:16   | Paralysed by an air elemental for 1 turns
241976 | Zig:16   | Identified the +2 great sword "Jowierph" {heavy, Str+3
                  | Dex+4}
242007 | Zig:16   | Identified the staff of the Shoals {rPois rCorr Int-3 Air
                  | Earth}
242014 | Zig:16   | Identified the +5 hand axe of the Candelabrum {protect,
                  | *Rage Fly Int+8 Stlth-}
242094 | Zig:17   | Entered Level 17 of a ziggurat
242094 | Zig:17   | Noticed a royal mummy
242094 | Zig:17   | Noticed a royal mummy
242094 | Zig:17   | Noticed a royal mummy
242094 | Zig:17   | Noticed a royal mummy
242094 | Zig:17   | Noticed a royal mummy
242094 | Zig:17   | Noticed a royal mummy
242094 | Zig:17   | Noticed a royal mummy
242094 | Zig:17   | Noticed a royal mummy
242094 | Zig:17   | Noticed a royal mummy
242094 | Zig:17   | Noticed a royal mummy
242094 | Zig:17   | Noticed a royal mummy
242094 | Zig:17   | Noticed a royal mummy
242094 | Zig:17   | Noticed a royal mummy
242094 | Zig:17   | Noticed a royal mummy
242094 | Zig:17   | Noticed a royal mummy
242094 | Zig:17   | Noticed a royal mummy
242094 | Zig:17   | Noticed a royal mummy
242094 | Zig:17   | Noticed a royal mummy
242094 | Zig:17   | Noticed a royal mummy
242095 | Zig:17   | Killed a royal mummy
242095 | Zig:17   | Killed a royal mummy
242096 | Zig:17   | Killed a royal mummy
242096 | Zig:17   | Killed a royal mummy
242096 | Zig:17   | Killed a royal mummy
242096 | Zig:17   | Killed a royal mummy
242096 | Zig:17   | Killed a royal mummy
242096 | Zig:17   | Killed a royal mummy
242096 | Zig:17   | Killed a royal mummy
242096 | Zig:17   | Killed a royal mummy
242096 | Zig:17   | Killed a royal mummy
242096 | Zig:17   | Noticed a royal mummy
242096 | Zig:17   | Noticed a royal mummy
242096 | Zig:17   | Noticed a royal mummy
242096 | Zig:17   | Killed a royal mummy
242097 | Zig:17   | Killed a royal mummy
242097 | Zig:17   | Killed a royal mummy
242097 | Zig:17   | Killed a royal mummy
242097 | Zig:17   | Killed a royal mummy
242097 | Zig:17   | Killed a royal mummy
242097 | Zig:17   | Noticed a royal mummy
242097 | Zig:17   | Noticed a royal mummy
242097 | Zig:17   | Noticed a royal mummy
242098 | Zig:17   | Killed a royal mummy
242098 | Zig:17   | Killed a royal mummy
242098 | Zig:17   | Killed a royal mummy
242098 | Zig:17   | Noticed a royal mummy
242099 | Zig:17   | Killed a royal mummy
242099 | Zig:17   | Killed a royal mummy
242099 | Zig:17   | Killed a royal mummy
242099 | Zig:17   | Noticed a royal mummy
242099 | Zig:17   | Noticed a royal mummy
242099 | Zig:17   | Noticed a royal mummy
242099 | Zig:17   | Noticed a royal mummy
242099 | Zig:17   | Noticed a royal mummy
242100 | Zig:17   | Killed a royal mummy
242100 | Zig:17   | Killed a royal mummy
242100 | Zig:17   | Killed a royal mummy
242100 | Zig:17   | Noticed a royal mummy
242100 | Zig:17   | Noticed a royal mummy
242101 | Zig:17   | Killed a royal mummy
242101 | Zig:17   | Killed a royal mummy
242101 | Zig:17   | Killed a royal mummy
242101 | Zig:17   | Noticed a royal mummy
242102 | Zig:17   | Noticed a royal mummy
242103 | Zig:17   | Noticed an ancient lich
242103 | Zig:17   | Killed a royal mummy
242103 | Zig:17   | Killed a royal mummy
242103 | Zig:17   | Killed an ancient lich
242103 | Zig:17   | Noticed a royal mummy
242103 | Zig:17   | Noticed a royal mummy
242103 | Zig:17   | Killed a royal mummy
242104 | Zig:17   | Noticed a royal mummy
242104 | Zig:17   | Killed a royal mummy
242104 | Zig:17   | Noticed a royal mummy
242104 | Zig:17   | Noticed a royal mummy
242104 | Zig:17   | Noticed a royal mummy
242105 | Zig:17   | Noticed a royal mummy
242105 | Zig:17   | Noticed a royal mummy
242105 | Zig:17   | Noticed a royal mummy
242106 | Zig:17   | Killed a royal mummy
242106 | Zig:17   | Killed a royal mummy
242106 | Zig:17   | Killed a royal mummy
242106 | Zig:17   | Killed a royal mummy
242106 | Zig:17   | Killed a royal mummy
242106 | Zig:17   | Noticed a royal mummy
242106 | Zig:17   | Killed a royal mummy
242107 | Zig:17   | Killed a royal mummy
242107 | Zig:17   | Killed a royal mummy
242107 | Zig:17   | Killed a royal mummy
242107 | Zig:17   | Noticed a royal mummy
242107 | Zig:17   | Noticed a royal mummy
242107 | Zig:17   | Killed a royal mummy
242108 | Zig:17   | Killed a royal mummy
242108 | Zig:17   | Noticed a royal mummy
242108 | Zig:17   | Noticed a royal mummy
242108 | Zig:17   | Noticed a royal mummy
242109 | Zig:17   | Noticed a royal mummy
242109 | Zig:17   | Noticed a royal mummy
242110 | Zig:17   | Killed a royal mummy
242110 | Zig:17   | Killed a royal mummy
242110 | Zig:17   | Killed a royal mummy
242110 | Zig:17   | Killed a royal mummy
242110 | Zig:17   | Noticed a royal mummy
242110 | Zig:17   | Noticed a royal mummy
242110 | Zig:17   | Noticed a royal mummy
242111 | Zig:17   | Killed a royal mummy
242111 | Zig:17   | Killed a royal mummy
242112 | Zig:17   | Noticed a royal mummy
242112 | Zig:17   | Noticed a royal mummy
242112 | Zig:17   | Killed a royal mummy
242113 | Zig:17   | Killed a royal mummy
242113 | Zig:17   | Killed a royal mummy
242113 | Zig:17   | Killed a royal mummy
242113 | Zig:17   | Killed a royal mummy
242113 | Zig:17   | Noticed a royal mummy
242115 | Zig:17   | Noticed a royal mummy
242115 | Zig:17   | Noticed a royal mummy
242115 | Zig:17   | Noticed a royal mummy
242115 | Zig:17   | Noticed a royal mummy
242115 | Zig:17   | Noticed a royal mummy
242116 | Zig:17   | Killed a royal mummy
242116 | Zig:17   | Killed a royal mummy
242116 | Zig:17   | Killed a royal mummy
242116 | Zig:17   | Noticed a royal mummy
242117 | Zig:17   | Noticed a royal mummy
242118 | Zig:17   | Killed a royal mummy
242118 | Zig:17   | Killed a royal mummy
242118 | Zig:17   | Killed a royal mummy
242118 | Zig:17   | Killed a royal mummy
242118 | Zig:17   | Noticed a royal mummy
242118 | Zig:17   | Noticed a royal mummy
242118 | Zig:17   | Noticed a royal mummy
242118 | Zig:17   | Noticed a royal mummy
242119 | Zig:17   | Killed a royal mummy
242119 | Zig:17   | Killed a royal mummy
242120 | Zig:17   | Noticed a royal mummy
242120 | Zig:17   | Noticed a royal mummy
242120 | Zig:17   | Noticed a royal mummy
242120 | Zig:17   | Killed a royal mummy
242121 | Zig:17   | Killed a royal mummy
242121 | Zig:17   | Killed a royal mummy
242121 | Zig:17   | Killed a royal mummy
242121 | Zig:17   | Noticed a royal mummy
242121 | Zig:17   | Noticed a royal mummy
242122 | Zig:17   | Killed a royal mummy
242122 | Zig:17   | Killed a royal mummy
242122 | Zig:17   | Killed a royal mummy
242122 | Zig:17   | Noticed a royal mummy
242122 | Zig:17   | Noticed a royal mummy
242124 | Zig:17   | Killed a royal mummy
242124 | Zig:17   | Killed a royal mummy
242124 | Zig:17   | Killed a royal mummy
242124 | Zig:17   | Noticed a royal mummy
242124 | Zig:17   | Noticed a royal mummy
242124 | Zig:17   | Noticed a royal mummy
242125 | Zig:17   | Killed a royal mummy
242125 | Zig:17   | Killed a royal mummy
242125 | Zig:17   | Noticed a royal mummy
242127 | Zig:17   | Killed a royal mummy
242128 | Zig:17   | Noticed a royal mummy
242128 | Zig:17   | Killed a royal mummy
242129 | Zig:17   | Killed a royal mummy
242129 | Zig:17   | Killed a royal mummy
242129 | Zig:17   | Noticed a royal mummy
242133 | Zig:17   | Killed a royal mummy
242135 | Zig:17   | Killed a royal mummy
242173 | Zig:17   | Identified the ring "Ughebat" {Fire MP-9 Str+5}
242176 | Zig:17   | Identified the +2 ring mail of Exclusion {rPois Will+ MP-9}
242177 | Zig:17   | Identified the ring of Niawayrgh {*Corrode +Blink rF+ rC++
                  | SInv}
242184 | Zig:17   | Identified the ring "Woukkoysch" {rCorr Str+6}
242719 | Zig:17   | Identified the ring of the Messenger {rElec rN+++ EV+5
                  | Int-5}
242726 | Zig:17   | Identified the +0 leather armour of Privacy {Str+5 Int+4
                  | Dex-3}
242756 | Zig:18   | Entered Level 18 of a ziggurat
242846 | Zig:18   | Identified the amulet of Uskayaw's Condemnation {Acrobat
                  | rPois rC+}
242908 | Zig:18   | Identified the +1 buckler "Pokh" {Str+2 Int+5}
242923 | Zig:18   | Identified the +1 scale mail of the Sacrificial Victim
                  | {-Cast Harm rPois rN+++}
242941 | Zig:18   | Identified the amulet "Tytwimy" {^Contam Regen+ Str+5 Int+2
                  | Dex-4 Stlth+}
242953 | Zig:18   | Identified the ring of Qaehops {rN++ Dex+6}
242958 | Zig:18   | Identified the +4 halberd of Sulphur {elec, rElec Str+3}
243321 | Zig:19   | Entered Level 19 of a ziggurat
243321 | Zig:19   | Noticed a juggernaut
243321 | Zig:19   | Noticed a juggernaut
243321 | Zig:19   | Noticed a juggernaut
243321 | Zig:19   | Noticed a juggernaut
243321 | Zig:19   | Noticed a juggernaut
243321 | Zig:19   | Noticed a juggernaut
243321 | Zig:19   | Noticed a juggernaut
243321 | Zig:19   | Noticed a juggernaut
243323 | Zig:19   | Killed a juggernaut
243323 | Zig:19   | Killed a juggernaut
243323 | Zig:19   | Killed a juggernaut
243323 | Zig:19   | Killed a juggernaut
243323 | Zig:19   | Killed a juggernaut
243323 | Zig:19   | Noticed a juggernaut
243323 | Zig:19   | Noticed a juggernaut
243323 | Zig:19   | Noticed a juggernaut
243323 | Zig:19   | Noticed a juggernaut
243324 | Zig:19   | Killed a juggernaut
243324 | Zig:19   | Killed a juggernaut
243324 | Zig:19   | Killed a juggernaut
243324 | Zig:19   | Killed a juggernaut
243324 | Zig:19   | Noticed a juggernaut
243325 | Zig:19   | Noticed a juggernaut
243326 | Zig:19   | Killed a juggernaut
243326 | Zig:19   | Killed a juggernaut
243326 | Zig:19   | Killed a juggernaut
243326 | Zig:19   | Killed a juggernaut
243326 | Zig:19   | Noticed a juggernaut
243327 | Zig:19   | Killed a juggernaut
243327 | Zig:19   | Noticed a juggernaut
243329 | Zig:19   | Noticed a juggernaut
243329 | Zig:19   | Noticed a juggernaut
243330 | Zig:19   | Killed a juggernaut
243330 | Zig:19   | Killed a juggernaut
243330 | Zig:19   | Noticed a juggernaut
243330 | Zig:19   | Noticed a juggernaut
243331 | Zig:19   | Noticed a juggernaut
243331 | Zig:19   | Noticed a juggernaut
243331 | Zig:19   | Noticed a juggernaut
243331 | Zig:19   | Noticed a juggernaut
243331 | Zig:19   | Killed a juggernaut
243332 | Zig:19   | Noticed a juggernaut
243332 | Zig:19   | Killed a juggernaut
243332 | Zig:19   | Killed a juggernaut
243333 | Zig:19   | Killed a juggernaut
243333 | Zig:19   | Killed a juggernaut
243333 | Zig:19   | Killed a juggernaut
243333 | Zig:19   | Killed a juggernaut
243333 | Zig:19   | Killed a juggernaut
243333 | Zig:19   | Noticed a juggernaut
243333 | Zig:19   | Noticed a juggernaut
243334 | Zig:19   | Noticed a juggernaut
243334 | Zig:19   | Noticed a juggernaut
243334 | Zig:19   | Noticed a juggernaut
243334 | Zig:19   | Noticed a juggernaut
243335 | Zig:19   | Killed a juggernaut
243335 | Zig:19   | Noticed a juggernaut
243335 | Zig:19   | Killed a juggernaut
243336 | Zig:19   | Noticed a juggernaut
243336 | Zig:19   | Noticed a juggernaut
243337 | Zig:19   | Killed a juggernaut
243337 | Zig:19   | Killed a juggernaut
243337 | Zig:19   | Killed a juggernaut
243337 | Zig:19   | Killed a juggernaut
243337 | Zig:19   | Killed a juggernaut
243337 | Zig:19   | Noticed a juggernaut
243337 | Zig:19   | Noticed a juggernaut
243338 | Zig:19   | Killed a juggernaut
243338 | Zig:19   | Noticed a juggernaut
243339 | Zig:19   | Noticed a juggernaut
243339 | Zig:19   | Noticed a juggernaut
243339 | Zig:19   | Noticed a juggernaut
243340 | Zig:19   | Killed a juggernaut
243340 | Zig:19   | Killed a juggernaut
243340 | Zig:19   | Killed a juggernaut
243340 | Zig:19   | Killed a juggernaut
243340 | Zig:19   | Noticed a juggernaut
243340 | Zig:19   | Noticed a juggernaut
243341 | Zig:19   | Noticed a juggernaut
243342 | Zig:19   | Killed a juggernaut
243342 | Zig:19   | Killed a juggernaut
243342 | Zig:19   | Killed a juggernaut
243342 | Zig:19   | Killed a juggernaut
243342 | Zig:19   | Noticed a juggernaut
243342 | Zig:19   | Noticed a juggernaut
243342 | Zig:19   | Noticed a juggernaut
243342 | Zig:19   | Noticed a juggernaut
243343 | Zig:19   | Noticed a juggernaut
243343 | Zig:19   | Killed a juggernaut
243344 | Zig:19   | Killed a juggernaut
243344 | Zig:19   | Killed a juggernaut
243344 | Zig:19   | Killed a juggernaut
243345 | Zig:19   | Killed a juggernaut
243345 | Zig:19   | Noticed a juggernaut
243346 | Zig:19   | Killed a juggernaut
243346 | Zig:19   | Killed a juggernaut
243346 | Zig:19   | Killed a juggernaut
243347 | Zig:19   | Noticed a juggernaut
243348 | Zig:19   | Killed a juggernaut
243351 | Zig:19   | Noticed a juggernaut
243352 | Zig:19   | Killed a juggernaut
243354 | Zig:19   | Killed a juggernaut
243411 | Zig:19   | Identified the +6 dagger of Uzallo {spect, ^Fragile Dex+6}
243420 | Zig:19   | Identified the ring of Knowledge {rC+ rN+ Str+6}
243424 | Zig:19   | Identified the +6 morningstar "Iggegir" {holy, rF+ Dex-2
                  | SInv}
243425 | Zig:19   | Identified the amulet of Fajures {Spirit rC+ Str+4 Slay+3}
243429 | Zig:19   | Identified the +1 scale mail "Ukas" {Will+ Str+2}
243437 | Zig:19   | Identified the +3 pair of gloves of Sif Muna's Scorn
                  | {Dex+6}
243439 | Zig:19   | Identified the ring of Wu Jian's Condemnation {MP+9 Str+3
                  | Dex+2}
243451 | Zig:19   | Identified the ring of Dum Jidd {rPois rF++ rC- Str+4}
243487 | Zig:19   | Identified the +6 falchion "Juephut" {protect, Dex+3}
243492 | Zig:19   | Identified the ring "Riabry" {rC++ SInv Stlth+}
243494 | Zig:19   | Identified the ring "Jadescho" {^Drain rCorr Slay+4}
243497 | Zig:19   | Identified the +5 halberd of the Five Tusks {protect, Str+2
                  | Dex+2}
244168 | Zig:20   | Entered Level 20 of a ziggurat
244168 | Zig:20   | Noticed a royal mummy
244168 | Zig:20   | Noticed a royal mummy
244168 | Zig:20   | Noticed a royal mummy
244168 | Zig:20   | Noticed a royal mummy
244168 | Zig:20   | Noticed a royal mummy
244168 | Zig:20   | Noticed a royal mummy
244168 | Zig:20   | Noticed a royal mummy
244168 | Zig:20   | Noticed a royal mummy
244168 | Zig:20   | Noticed a royal mummy
244168 | Zig:20   | Noticed a royal mummy
244168 | Zig:20   | Noticed a royal mummy
244168 | Zig:20   | Noticed a royal mummy
244168 | Zig:20   | Noticed a royal mummy
244169 | Zig:20   | Killed a royal mummy
244170 | Zig:20   | Killed a royal mummy
244170 | Zig:20   | Killed a royal mummy
244170 | Zig:20   | Killed a royal mummy
244170 | Zig:20   | Killed a royal mummy
244170 | Zig:20   | Killed a royal mummy
244170 | Zig:20   | Killed a royal mummy
244170 | Zig:20   | Killed a royal mummy
244170 | Zig:20   | Killed a royal mummy
244170 | Zig:20   | Noticed a royal mummy
244170 | Zig:20   | Noticed a royal mummy
244170 | Zig:20   | Noticed a royal mummy
244170 | Zig:20   | Noticed a royal mummy
244170 | Zig:20   | Noticed a royal mummy
244170 | Zig:20   | Noticed a royal mummy
244171 | Zig:20   | Noticed a royal mummy
244171 | Zig:20   | Noticed a royal mummy
244171 | Zig:20   | Noticed a royal mummy
244171 | Zig:20   | Killed a royal mummy
244171 | Zig:20   | Killed a royal mummy
244172 | Zig:20   | Killed a royal mummy
244172 | Zig:20   | Killed a royal mummy
244172 | Zig:20   | Noticed a royal mummy
244172 | Zig:20   | Noticed a royal mummy
244172 | Zig:20   | Killed a royal mummy
244172 | Zig:20   | Noticed a royal mummy
244173 | Zig:20   | Killed a royal mummy
244173 | Zig:20   | Killed a royal mummy
244173 | Zig:20   | Killed a royal mummy
244173 | Zig:20   | Killed a royal mummy
244173 | Zig:20   | Killed a royal mummy
244173 | Zig:20   | Killed a royal mummy
244173 | Zig:20   | Killed a royal mummy
244173 | Zig:20   | Killed a royal mummy
244173 | Zig:20   | Noticed a royal mummy
244173 | Zig:20   | Noticed a royal mummy
244173 | Zig:20   | Noticed a royal mummy
244175 | Zig:20   | Killed a royal mummy
244175 | Zig:20   | Killed a royal mummy
244175 | Zig:20   | Killed a royal mummy
244175 | Zig:20   | Noticed a royal mummy
244175 | Zig:20   | Noticed a royal mummy
244175 | Zig:20   | Noticed a royal mummy
244176 | Zig:20   | Killed a royal mummy
244176 | Zig:20   | Killed a royal mummy
244176 | Zig:20   | Noticed a royal mummy
244177 | Zig:20   | Killed a royal mummy
244177 | Zig:20   | Noticed a royal mummy
244177 | Zig:20   | Noticed a royal mummy
244177 | Zig:20   | Noticed a royal mummy
244178 | Zig:20   | Noticed a royal mummy
244178 | Zig:20   | Noticed a royal mummy
244179 | Zig:20   | Killed a royal mummy
244179 | Zig:20   | Killed a royal mummy
244179 | Zig:20   | Killed a royal mummy
244179 | Zig:20   | Noticed a royal mummy
244179 | Zig:20   | Noticed a royal mummy
244179 | Zig:20   | Noticed a royal mummy
244179 | Zig:20   | Noticed a royal mummy
244179 | Zig:20   | Noticed a royal mummy
244179 | Zig:20   | Noticed a royal mummy
244180 | Zig:20   | Noticed a royal mummy
244180 | Zig:20   | Noticed a royal mummy
244180 | Zig:20   | Noticed a royal mummy
244180 | Zig:20   | Noticed a royal mummy
244181 | Zig:20   | Killed a royal mummy
244181 | Zig:20   | Killed a royal mummy
244181 | Zig:20   | Killed a royal mummy
244181 | Zig:20   | Killed a royal mummy
244181 | Zig:20   | Killed a royal mummy
244181 | Zig:20   | Noticed a royal mummy
244182 | Zig:20   | Killed a royal mummy
244182 | Zig:20   | Killed a royal mummy
244182 | Zig:20   | Killed a royal mummy
244182 | Zig:20   | Killed a royal mummy
244182 | Zig:20   | Killed a royal mummy
244182 | Zig:20   | Killed a royal mummy
244182 | Zig:20   | Killed a royal mummy
244182 | Zig:20   | Killed a royal mummy
244182 | Zig:20   | Killed a royal mummy
244182 | Zig:20   | Noticed a royal mummy
244182 | Zig:20   | Noticed a royal mummy
244183 | Zig:20   | Killed a royal mummy
244183 | Zig:20   | Killed a royal mummy
244183 | Zig:20   | Killed a royal mummy
244183 | Zig:20   | Noticed a royal mummy
244184 | Zig:20   | Killed a royal mummy
244184 | Zig:20   | Killed a royal mummy
244184 | Zig:20   | Noticed a royal mummy
244184 | Zig:20   | Noticed a royal mummy
244184 | Zig:20   | Noticed a royal mummy
244184 | Zig:20   | Noticed a royal mummy
244184 | Zig:20   | Noticed a royal mummy
244185 | Zig:20   | Noticed a royal mummy
244186 | Zig:20   | Noticed a royal mummy
244186 | Zig:20   | Noticed a royal mummy
244186 | Zig:20   | Noticed a royal mummy
244187 | Zig:20   | Killed a royal mummy
244187 | Zig:20   | Noticed a royal mummy
244187 | Zig:20   | Noticed a royal mummy
244187 | Zig:20   | Killed a royal mummy
244187 | Zig:20   | Noticed a royal mummy
244188 | Zig:20   | Noticed a royal mummy
244188 | Zig:20   | Noticed a royal mummy
244189 | Zig:20   | Killed a royal mummy
244189 | Zig:20   | Killed a royal mummy
244189 | Zig:20   | Killed a royal mummy
244189 | Zig:20   | Killed a royal mummy
244189 | Zig:20   | Killed a royal mummy
244190 | Zig:20   | Killed a royal mummy
244190 | Zig:20   | Killed a royal mummy
244190 | Zig:20   | Killed a royal mummy
244190 | Zig:20   | Killed a royal mummy
244190 | Zig:20   | Killed a royal mummy
244190 | Zig:20   | Killed a royal mummy
244190 | Zig:20   | Killed a royal mummy
244190 | Zig:20   | Noticed a royal mummy
244190 | Zig:20   | Noticed a royal mummy
244190 | Zig:20   | Noticed a royal mummy
244192 | Zig:20   | Killed a royal mummy
244193 | Zig:20   | Noticed a royal mummy
244193 | Zig:20   | Killed a royal mummy
244194 | Zig:20   | Killed a royal mummy
244194 | Zig:20   | Noticed a royal mummy
244194 | Zig:20   | Noticed a royal mummy
244194 | Zig:20   | Noticed a royal mummy
244196 | Zig:20   | Killed a royal mummy
244196 | Zig:20   | Killed a royal mummy
244196 | Zig:20   | Noticed a royal mummy
244196 | Zig:20   | Noticed a royal mummy
244196 | Zig:20   | Killed a royal mummy
244197 | Zig:20   | Noticed a royal mummy
244198 | Zig:20   | Noticed a royal mummy
244198 | Zig:20   | Noticed a royal mummy
244198 | Zig:20   | Killed a royal mummy
244199 | Zig:20   | Killed a royal mummy
244199 | Zig:20   | Killed a royal mummy
244199 | Zig:20   | Killed a royal mummy
244199 | Zig:20   | Killed a royal mummy
244199 | Zig:20   | Killed a royal mummy
244199 | Zig:20   | Noticed a royal mummy
244199 | Zig:20   | Noticed a royal mummy
244200 | Zig:20   | Killed a royal mummy
244200 | Zig:20   | Noticed a royal mummy
244201 | Zig:20   | Noticed a royal mummy
244201 | Zig:20   | Noticed a royal mummy
244201 | Zig:20   | Noticed a royal mummy
244202 | Zig:20   | Killed a royal mummy
244202 | Zig:20   | Killed a royal mummy
244202 | Zig:20   | Killed a royal mummy
244202 | Zig:20   | Killed a royal mummy
244202 | Zig:20   | Killed a royal mummy
244202 | Zig:20   | Noticed a royal mummy
244202 | Zig:20   | Noticed a royal mummy
244203 | Zig:20   | Noticed a royal mummy
244203 | Zig:20   | Noticed a royal mummy
244204 | Zig:20   | Killed a royal mummy
244204 | Zig:20   | Killed a royal mummy
244204 | Zig:20   | Killed a royal mummy
244204 | Zig:20   | Noticed a royal mummy
244205 | Zig:20   | Killed a royal mummy
244205 | Zig:20   | Killed a royal mummy
244205 | Zig:20   | Noticed a royal mummy
244206 | Zig:20   | Noticed a royal mummy
244206 | Zig:20   | Noticed a royal mummy
244207 | Zig:20   | Killed a royal mummy
244207 | Zig:20   | Killed a royal mummy
244207 | Zig:20   | Noticed a royal mummy
244207 | Zig:20   | Noticed a royal mummy
244208 | Zig:20   | Noticed a royal mummy
244208 | Zig:20   | Killed a royal mummy
244209 | Zig:20   | Killed a royal mummy
244210 | Zig:20   | Killed a royal mummy
244213 | Zig:20   | Killed a royal mummy
244213 | Zig:20   | Killed a royal mummy
244213 | Zig:20   | Killed a royal mummy
244973 | Zig:21   | Entered Level 21 of a ziggurat
245058 | Zig:21   | Identified the ring "Ugilu" {rC+ Str+4 Int-4 Dex+3}
245062 | Zig:21   | Identified the ring of Ahoeluv {rC++ rN+ Str+3 Int+3}
245066 | Zig:21   | Identified the +1 robe of the Ecumenical Temple {Archmagi}
245070 | Zig:21   | Identified the +7 orcbow of Tortfeasance {drain, Str+2}
245138 | Zig:21   | Identified the +4 orcbow of Cowardice {freeze, *Slow
                  | ^Fragile rElec rC+++}
245842 | Zig:22   | Entered Level 22 of a ziggurat
245842 | Zig:22   | Noticed a royal mummy
245842 | Zig:22   | Noticed a royal mummy
245842 | Zig:22   | Noticed a royal mummy
245842 | Zig:22   | Noticed a royal mummy
245842 | Zig:22   | Noticed a royal mummy
245842 | Zig:22   | Noticed a royal mummy
245842 | Zig:22   | Noticed a royal mummy
245842 | Zig:22   | Noticed a royal mummy
245842 | Zig:22   | Noticed a royal mummy
245842 | Zig:22   | Noticed a royal mummy
245843 | Zig:22   | Killed a royal mummy
245844 | Zig:22   | Killed a royal mummy
245844 | Zig:22   | Killed a royal mummy
245844 | Zig:22   | Killed a royal mummy
245844 | Zig:22   | Killed a royal mummy
245844 | Zig:22   | Killed a royal mummy
245844 | Zig:22   | Noticed a royal mummy
245844 | Zig:22   | Noticed a royal mummy
245845 | Zig:22   | Noticed a royal mummy
245845 | Zig:22   | Noticed a royal mummy
245845 | Zig:22   | Noticed a royal mummy
245845 | Zig:22   | Noticed a royal mummy
245846 | Zig:22   | Killed a royal mummy
245846 | Zig:22   | Killed a royal mummy
245846 | Zig:22   | Killed a royal mummy
245846 | Zig:22   | Killed a royal mummy
245846 | Zig:22   | Noticed a royal mummy
245846 | Zig:22   | Noticed a royal mummy
245846 | Zig:22   | Noticed a royal mummy
245846 | Zig:22   | Killed a royal mummy
245848 | Zig:22   | Killed a royal mummy
245848 | Zig:22   | Killed a royal mummy
245848 | Zig:22   | Killed a royal mummy
245848 | Zig:22   | Killed a royal mummy
245849 | Zig:22   | Noticed a royal mummy
245849 | Zig:22   | Noticed a royal mummy
245850 | Zig:22   | Killed a royal mummy
245850 | Zig:22   | Killed a royal mummy
245850 | Zig:22   | Killed a royal mummy
245850 | Zig:22   | Killed a royal mummy
245850 | Zig:22   | Noticed a royal mummy
245851 | Zig:22   | Noticed a royal mummy
245851 | Zig:22   | Noticed a royal mummy
245851 | Zig:22   | Noticed a royal mummy
245851 | Zig:22   | Noticed a royal mummy
245852 | Zig:22   | Killed a royal mummy
245852 | Zig:22   | Killed a royal mummy
245852 | Zig:22   | Noticed a royal mummy
245853 | Zig:22   | Noticed a royal mummy
245853 | Zig:22   | Noticed a royal mummy
245853 | Zig:22   | Noticed a royal mummy
245854 | Zig:22   | Killed a royal mummy
245854 | Zig:22   | Killed a royal mummy
245854 | Zig:22   | Killed a royal mummy
245854 | Zig:22   | Noticed a royal mummy
245854 | Zig:22   | Noticed a royal mummy
245854 | Zig:22   | Noticed a royal mummy
245854 | Zig:22   | Killed a royal mummy
245855 | Zig:22   | Killed a royal mummy
245855 | Zig:22   | Killed a royal mummy
245855 | Zig:22   | Killed a royal mummy
245856 | Zig:22   | Killed a royal mummy
245856 | Zig:22   | Killed a royal mummy
245856 | Zig:22   | Killed a royal mummy
245856 | Zig:22   | Noticed a royal mummy
245856 | Zig:22   | Killed a royal mummy
245857 | Zig:22   | Noticed a royal mummy
245857 | Zig:22   | Killed a royal mummy
245857 | Zig:22   | Noticed a royal mummy
245857 | Zig:22   | Noticed a royal mummy
245857 | Zig:22   | Noticed a royal mummy
245857 | Zig:22   | Noticed a royal mummy
245858 | Zig:22   | Killed a royal mummy
245858 | Zig:22   | Noticed a royal mummy
245858 | Zig:22   | Noticed a royal mummy
245858 | Zig:22   | Noticed a royal mummy
245858 | Zig:22   | Noticed a royal mummy
245858 | Zig:22   | Noticed a royal mummy
245859 | Zig:22   | Killed a royal mummy
245859 | Zig:22   | Killed a royal mummy
245859 | Zig:22   | Killed a royal mummy
245859 | Zig:22   | Killed a royal mummy
245859 | Zig:22   | Killed a royal mummy
245859 | Zig:22   | Noticed a royal mummy
245859 | Zig:22   | Noticed a royal mummy
245860 | Zig:22   | Noticed a royal mummy
245860 | Zig:22   | Noticed a royal mummy
245861 | Zig:22   | Killed a royal mummy
245861 | Zig:22   | Killed a royal mummy
245861 | Zig:22   | Noticed a royal mummy
245861 | Zig:22   | Noticed a royal mummy
245862 | Zig:22   | Noticed a royal mummy
245863 | Zig:22   | Noticed a royal mummy
245863 | Zig:22   | Killed a royal mummy
245864 | Zig:22   | Killed a royal mummy
245864 | Zig:22   | Killed a royal mummy
245864 | Zig:22   | Killed a royal mummy
245864 | Zig:22   | Killed a royal mummy
245864 | Zig:22   | Noticed a royal mummy
245864 | Zig:22   | Noticed a royal mummy
245864 | Zig:22   | Noticed a royal mummy
245864 | Zig:22   | Noticed a royal mummy
245865 | Zig:22   | Noticed a royal mummy
245865 | Zig:22   | Noticed a royal mummy
245866 | Zig:22   | Noticed a royal mummy
245866 | Zig:22   | Noticed a royal mummy
245867 | Zig:22   | Noticed a royal mummy
245867 | Zig:22   | Noticed a royal mummy
245867 | Zig:22   | Noticed a royal mummy
245867 | Zig:22   | Noticed a royal mummy
245867 | Zig:22   | Killed a royal mummy
245868 | Zig:22   | Killed a royal mummy
245868 | Zig:22   | Killed a royal mummy
245868 | Zig:22   | Killed a royal mummy
245868 | Zig:22   | Killed a royal mummy
245868 | Zig:22   | Killed a royal mummy
245868 | Zig:22   | Noticed a royal mummy
245868 | Zig:22   | Noticed a royal mummy
245868 | Zig:22   | Killed a royal mummy
245868 | Zig:22   | Killed a royal mummy
245869 | Zig:22   | Noticed a royal mummy
245869 | Zig:22   | Noticed a royal mummy
245869 | Zig:22   | Noticed a royal mummy
245869 | Zig:22   | Noticed a royal mummy
245869 | Zig:22   | Noticed a royal mummy
245869 | Zig:22   | Noticed a royal mummy
245870 | Zig:22   | Killed a royal mummy
245870 | Zig:22   | Killed a royal mummy
245870 | Zig:22   | Killed a royal mummy
245870 | Zig:22   | Killed a royal mummy
245870 | Zig:22   | Killed a royal mummy
245870 | Zig:22   | Killed a royal mummy
245870 | Zig:22   | Killed a royal mummy
245870 | Zig:22   | Noticed a royal mummy
245870 | Zig:22   | Noticed a royal mummy
245870 | Zig:22   | Noticed a royal mummy
245870 | Zig:22   | Noticed a royal mummy
245870 | Zig:22   | Killed a royal mummy
245871 | Zig:22   | Noticed a royal mummy
245871 | Zig:22   | Noticed a royal mummy
245871 | Zig:22   | Noticed a royal mummy
245872 | Zig:22   | Killed a royal mummy
245872 | Zig:22   | Killed a royal mummy
245872 | Zig:22   | Killed a royal mummy
245872 | Zig:22   | Killed a royal mummy
245872 | Zig:22   | Killed a royal mummy
245872 | Zig:22   | Killed a royal mummy
245872 | Zig:22   | Killed a royal mummy
245872 | Zig:22   | Killed a royal mummy
245872 | Zig:22   | Noticed a royal mummy
245873 | Zig:22   | Killed a royal mummy
245873 | Zig:22   | Killed a royal mummy
245873 | Zig:22   | Killed a royal mummy
245873 | Zig:22   | Killed a royal mummy
245873 | Zig:22   | Killed a royal mummy
245873 | Zig:22   | Killed a royal mummy
245873 | Zig:22   | Killed a royal mummy
245873 | Zig:22   | Killed a royal mummy
245873 | Zig:22   | Killed a royal mummy
245873 | Zig:22   | Noticed a royal mummy
245874 | Zig:22   | Noticed a royal mummy
245874 | Zig:22   | Noticed a royal mummy
245875 | Zig:22   | Killed a royal mummy
245875 | Zig:22   | Killed a royal mummy
245875 | Zig:22   | Noticed a royal mummy
245875 | Zig:22   | Noticed a royal mummy
245876 | Zig:22   | Noticed a royal mummy
245876 | Zig:22   | Noticed a royal mummy
245876 | Zig:22   | Killed a royal mummy
245876 | Zig:22   | Noticed a royal mummy
245877 | Zig:22   | Noticed a royal mummy
245877 | Zig:22   | Noticed a royal mummy
245878 | Zig:22   | Noticed a royal mummy
245879 | Zig:22   | Killed a royal mummy
245879 | Zig:22   | Killed a royal mummy
245879 | Zig:22   | Killed a royal mummy
245879 | Zig:22   | Killed a royal mummy
245879 | Zig:22   | Killed a royal mummy
245880 | Zig:22   | Noticed a royal mummy
245880 | Zig:22   | Noticed a royal mummy
245881 | Zig:22   | Killed a royal mummy
245881 | Zig:22   | Killed a royal mummy
245881 | Zig:22   | Killed a royal mummy
245881 | Zig:22   | Noticed a royal mummy
245882 | Zig:22   | Noticed a royal mummy
245882 | Zig:22   | Noticed a royal mummy
245883 | Zig:22   | Killed a royal mummy
245883 | Zig:22   | Noticed a royal mummy
245883 | Zig:22   | Noticed a royal mummy
245883 | Zig:22   | Killed a royal mummy
245884 | Zig:22   | Noticed a royal mummy
245884 | Zig:22   | Noticed a royal mummy
245884 | Zig:22   | Noticed a royal mummy
245884 | Zig:22   | Noticed a royal mummy
245884 | Zig:22   | Killed a royal mummy
245885 | Zig:22   | Killed a royal mummy
245885 | Zig:22   | Killed a royal mummy
245885 | Zig:22   | Killed a royal mummy
245886 | Zig:22   | Killed a royal mummy
245886 | Zig:22   | Killed a royal mummy
245887 | Zig:22   | Noticed a royal mummy
245887 | Zig:22   | Killed a royal mummy
245888 | Zig:22   | Killed a royal mummy
245888 | Zig:22   | Killed a royal mummy
245888 | Zig:22   | Killed a royal mummy
245889 | Zig:22   | Noticed a royal mummy
245889 | Zig:22   | Noticed a royal mummy
245889 | Zig:22   | Killed a royal mummy
245891 | Zig:22   | Killed a royal mummy
245891 | Zig:22   | Killed a royal mummy
245892 | Zig:22   | Noticed a royal mummy
245894 | Zig:22   | Noticed a royal mummy
245895 | Zig:22   | Killed a royal mummy
245897 | Zig:22   | Killed a royal mummy
246499 | Zig:22   | Identified the +10 long sword "Tyot" {antimagic, rN+}
246509 | Zig:22   | Identified the ring of Fupsaatt {rN+ rCorr}
246511 | Zig:22   | Identified the ring "Nomip" {rF+ rC+ Int+6 Slay-4 Stlth+}
246639 | Zig:23   | Entered Level 23 of a ziggurat
246708 | Zig:23   | Paralysed by accursed screaming for 2 turns
246740 | Zig:23   | Killed a starcursed mass
246740 | Zig:23   | Killed a starcursed mass
246875 | Zig:23   | Identified the +8 war axe of Turmoil {freeze, rN+ Will+
                  | Int-5}
246893 | Zig:23   | Identified the ring of Winter {AC+4 Str+3 Int+2}
246895 | Zig:23   | Identified the +6 flail "Pierphy" {freeze, rF+ Stlth+}
246899 | Zig:23   | Identified the staff of Uvocydod {rPois rF+ rCorr Conj
                  | Necro}
246934 | Zig:23   | Identified the +3 pair of boots of Going Fast {Rampage
                  | Str+4 Slay-2}
246962 | Zig:23   | Identified the staff of Resumed Hostilities {rC+ Will-
                  | Int+7 Stlth+ Earth}
246974 | Zig:23   | Identified the +7 sling of the Median {antimagic, rElec}
247014 | Zig:23   | Identified the ring of the Kangaroo {rF+ Will+ Int+6}
247018 | Zig:23   | Identified the +1 lajatang "Beastbane" {protect, Str+4}
247026 | Zig:23   | Identified the +3 scale mail "Aghazyf" {*Slow rPois rCorr
                  | Int+3}
247028 | Zig:23   | Identified the ring "Cobapumm" {Fire *Corrode rPois Int+4
                  | Dex+3}
247036 | Zig:23   | Identified the +0 ring mail "Diumnoec" {rF+ SInv Stlth-}
247056 | Zig:23   | Identified the ring "Zegrapaw" {rElec AC+4 Str+2}
247083 | Zig:23   | Identified the +2 scimitar of the Hills {distort, *Corrode
                  | rN+ SInv}
247219 | Zig:23   | Identified the +3 scimitar "Qomn" {pain, Will+ Int+4}
247220 | Zig:23   | Identified the staff "Efruf" {rElec Summ Fire Air Alchemy}
247581 | Zig:24   | Entered Level 24 of a ziggurat
247581 | Zig:24   | Noticed a royal mummy
247581 | Zig:24   | Noticed a royal mummy
247581 | Zig:24   | Noticed a royal mummy
247581 | Zig:24   | Noticed a royal mummy
247581 | Zig:24   | Noticed a royal mummy
247582 | Zig:24   | Noticed a royal mummy
247582 | Zig:24   | Noticed a royal mummy
247582 | Zig:24   | Noticed a royal mummy
247582 | Zig:24   | Noticed a royal mummy
247583 | Zig:24   | Killed a royal mummy
247583 | Zig:24   | Killed a royal mummy
247583 | Zig:24   | Killed a royal mummy
247583 | Zig:24   | Killed a royal mummy
247583 | Zig:24   | Killed a royal mummy
247583 | Zig:24   | Killed a royal mummy
247583 | Zig:24   | Killed a royal mummy
247583 | Zig:24   | Noticed a royal mummy
247584 | Zig:24   | Noticed a royal mummy
247584 | Zig:24   | Noticed a royal mummy
247585 | Zig:24   | Killed a royal mummy
247585 | Zig:24   | Killed a royal mummy
247586 | Zig:24   | Killed a royal mummy
247586 | Zig:24   | Killed a royal mummy
247586 | Zig:24   | Killed a royal mummy
247587 | Zig:24   | Noticed a royal mummy
247587 | Zig:24   | Noticed a royal mummy
247589 | Zig:24   | Killed a royal mummy
247589 | Zig:24   | Killed a royal mummy
247589 | Zig:24   | Noticed a royal mummy
247589 | Zig:24   | Noticed a royal mummy
247589 | Zig:24   | Noticed a royal mummy
247590 | Zig:24   | Noticed a royal mummy
247590 | Zig:24   | Noticed a royal mummy
247590 | Zig:24   | Noticed a royal mummy
247591 | Zig:24   | Killed a royal mummy
247591 | Zig:24   | Noticed a royal mummy
247591 | Zig:24   | Noticed a royal mummy
247591 | Zig:24   | Killed a royal mummy
247592 | Zig:24   | Noticed a royal mummy
247592 | Zig:24   | Noticed a royal mummy
247592 | Zig:24   | Noticed a royal mummy
247593 | Zig:24   | Killed a royal mummy
247593 | Zig:24   | Killed a royal mummy
247593 | Zig:24   | Killed a royal mummy
247593 | Zig:24   | Noticed a royal mummy
247593 | Zig:24   | Killed a royal mummy
247593 | Zig:24   | Noticed a royal mummy
247593 | Zig:24   | Noticed a royal mummy
247593 | Zig:24   | Noticed a royal mummy
247594 | Zig:24   | Killed a royal mummy
247594 | Zig:24   | Killed a royal mummy
247594 | Zig:24   | Killed a royal mummy
247594 | Zig:24   | Killed a royal mummy
247595 | Zig:24   | Noticed a royal mummy
247595 | Zig:24   | Noticed a royal mummy
247595 | Zig:24   | Noticed a royal mummy
247595 | Zig:24   | Killed a royal mummy
247595 | Zig:24   | Noticed a royal mummy
247595 | Zig:24   | Noticed a royal mummy
247595 | Zig:24   | Noticed a royal mummy
247596 | Zig:24   | Killed a royal mummy
247596 | Zig:24   | Killed a royal mummy
247596 | Zig:24   | Killed a royal mummy
247597 | Zig:24   | Killed a royal mummy
247598 | Zig:24   | Killed a royal mummy
247598 | Zig:24   | Killed a royal mummy
247598 | Zig:24   | Killed a royal mummy
247598 | Zig:24   | Killed a royal mummy
247598 | Zig:24   | Killed a royal mummy
247598 | Zig:24   | Noticed a royal mummy
247598 | Zig:24   | Noticed a royal mummy
247599 | Zig:24   | Noticed a royal mummy
247599 | Zig:24   | Noticed a royal mummy
247599 | Zig:24   | Noticed a royal mummy
247599 | Zig:24   | Noticed a royal mummy
247600 | Zig:24   | Killed a royal mummy
247601 | Zig:24   | Noticed a royal mummy
247601 | Zig:24   | Noticed a royal mummy
247601 | Zig:24   | Noticed a royal mummy
247602 | Zig:24   | Killed a royal mummy
247602 | Zig:24   | Killed a royal mummy
247602 | Zig:24   | Noticed a royal mummy
247602 | Zig:24   | Noticed a royal mummy
247603 | Zig:24   | Noticed a royal mummy
247604 | Zig:24   | Killed a royal mummy
247604 | Zig:24   | Killed a royal mummy
247604 | Zig:24   | Killed a royal mummy
247604 | Zig:24   | Killed a royal mummy
247604 | Zig:24   | Killed a royal mummy
247604 | Zig:24   | Noticed a royal mummy
247604 | Zig:24   | Noticed a royal mummy
247604 | Zig:24   | Noticed a royal mummy
247604 | Zig:24   | Noticed a royal mummy
247604 | Zig:24   | Noticed a royal mummy
247605 | Zig:24   | Noticed a royal mummy
247605 | Zig:24   | Killed a royal mummy
247605 | Zig:24   | Noticed a royal mummy
247606 | Zig:24   | Killed a royal mummy
247606 | Zig:24   | Killed a royal mummy
247606 | Zig:24   | Killed a royal mummy
247606 | Zig:24   | Killed a royal mummy
247606 | Zig:24   | Noticed a royal mummy
247606 | Zig:24   | Noticed a royal mummy
247607 | Zig:24   | Noticed a royal mummy
247607 | Zig:24   | Noticed a royal mummy
247607 | Zig:24   | Noticed a royal mummy
247607 | Zig:24   | Killed a royal mummy
247607 | Zig:24   | Noticed a royal mummy
247607 | Zig:24   | Noticed a royal mummy
247608 | Zig:24   | Killed a royal mummy
247608 | Zig:24   | Killed a royal mummy
247608 | Zig:24   | Killed a royal mummy
247608 | Zig:24   | Killed a royal mummy
247608 | Zig:24   | Killed a royal mummy
247608 | Zig:24   | Killed a royal mummy
247608 | Zig:24   | Noticed a royal mummy
247608 | Zig:24   | Noticed a royal mummy
247608 | Zig:24   | Noticed a royal mummy
247609 | Zig:24   | Killed a royal mummy
247609 | Zig:24   | Killed a royal mummy
247609 | Zig:24   | Killed a royal mummy
247609 | Zig:24   | Killed a royal mummy
247609 | Zig:24   | Killed a royal mummy
247609 | Zig:24   | Noticed a royal mummy
247609 | Zig:24   | Noticed a royal mummy
247610 | Zig:24   | Killed a royal mummy
247610 | Zig:24   | Killed a royal mummy
247610 | Zig:24   | Killed a royal mummy
247610 | Zig:24   | Noticed a royal mummy
247610 | Zig:24   | Noticed a royal mummy
247610 | Zig:24   | Noticed a royal mummy
247611 | Zig:24   | Killed a royal mummy
247611 | Zig:24   | Killed a royal mummy
247611 | Zig:24   | Noticed a royal mummy
247611 | Zig:24   | Killed a royal mummy
247611 | Zig:24   | Noticed a royal mummy
247612 | Zig:24   | Killed a royal mummy
247612 | Zig:24   | Killed a royal mummy
247612 | Zig:24   | Killed a royal mummy
247612 | Zig:24   | Noticed a royal mummy
247612 | Zig:24   | Noticed a royal mummy
247612 | Zig:24   | Noticed a royal mummy
247612 | Zig:24   | Noticed a royal mummy
247612 | Zig:24   | Noticed a royal mummy
247613 | Zig:24   | Noticed a royal mummy
247613 | Zig:24   | Noticed a royal mummy
247613 | Zig:24   | Noticed a royal mummy
247613 | Zig:24   | Noticed a royal mummy
247613 | Zig:24   | Noticed a royal mummy
247615 | Zig:24   | Noticed a royal mummy
247615 | Zig:24   | Killed a royal mummy
247615 | Zig:24   | Killed a royal mummy
247616 | Zig:24   | Noticed a royal mummy
247616 | Zig:24   | Noticed a royal mummy
247616 | Zig:24   | Noticed a royal mummy
247616 | Zig:24   | Noticed a royal mummy
247617 | Zig:24   | Killed a royal mummy
247617 | Zig:24   | Killed a royal mummy
247617 | Zig:24   | Killed a royal mummy
247617 | Zig:24   | Noticed a royal mummy
247617 | Zig:24   | Noticed a royal mummy
247618 | Zig:24   | Killed a royal mummy
247618 | Zig:24   | Killed a royal mummy
247618 | Zig:24   | Killed a royal mummy
247618 | Zig:24   | Killed a royal mummy
247618 | Zig:24   | Killed a royal mummy
247618 | Zig:24   | Killed a royal mummy
247618 | Zig:24   | Killed a royal mummy
247618 | Zig:24   | Killed a royal mummy
247618 | Zig:24   | Killed a royal mummy
247618 | Zig:24   | Noticed a dread lich
247618 | Zig:24   | Noticed a royal mummy
247618 | Zig:24   | Noticed a royal mummy
247618 | Zig:24   | Killed a royal mummy
247619 | Zig:24   | Noticed a royal mummy
247619 | Zig:24   | Noticed a royal mummy
247619 | Zig:24   | Noticed a royal mummy
247619 | Zig:24   | Noticed a royal mummy
247619 | Zig:24   | Killed a royal mummy
247619 | Zig:24   | Noticed a royal mummy
247620 | Zig:24   | Killed a royal mummy
247620 | Zig:24   | Killed a dread lich
247620 | Zig:24   | Killed a royal mummy
247620 | Zig:24   | Killed a royal mummy
247620 | Zig:24   | Killed a royal mummy
247620 | Zig:24   | Killed a royal mummy
247621 | Zig:24   | Noticed a royal mummy
247621 | Zig:24   | Noticed a royal mummy
247621 | Zig:24   | Noticed a royal mummy
247621 | Zig:24   | Noticed a royal mummy
247622 | Zig:24   | Noticed a royal mummy
247622 | Zig:24   | Noticed a royal mummy
247622 | Zig:24   | Killed a royal mummy
247622 | Zig:24   | Killed a royal mummy
247622 | Zig:24   | Killed a royal mummy
247622 | Zig:24   | Noticed a royal mummy
247622 | Zig:24   | Noticed a royal mummy
247622 | Zig:24   | Noticed a royal mummy
247623 | Zig:24   | Noticed a royal mummy
247623 | Zig:24   | Killed a royal mummy
247624 | Zig:24   | Noticed a royal mummy
247624 | Zig:24   | Killed a royal mummy
247624 | Zig:24   | Killed a royal mummy
247624 | Zig:24   | Killed a royal mummy
247624 | Zig:24   | Killed a royal mummy
247624 | Zig:24   | Killed a royal mummy
247624 | Zig:24   | Killed a royal mummy
247625 | Zig:24   | Killed a royal mummy
247625 | Zig:24   | Killed a royal mummy
247625 | Zig:24   | Killed a royal mummy
247625 | Zig:24   | Noticed a royal mummy
247625 | Zig:24   | Noticed a royal mummy
247625 | Zig:24   | Noticed a royal mummy
247625 | Zig:24   | Noticed a royal mummy
247626 | Zig:24   | Noticed a royal mummy
247626 | Zig:24   | Noticed a royal mummy
247627 | Zig:24   | Killed a royal mummy
247627 | Zig:24   | Killed a royal mummy
247627 | Zig:24   | Killed a royal mummy
247627 | Zig:24   | Noticed a royal mummy
247627 | Zig:24   | Noticed a royal mummy
247628 | Zig:24   | Killed a royal mummy
247628 | Zig:24   | Noticed a royal mummy
247629 | Zig:24   | Killed a royal mummy
247630 | Zig:24   | Killed a royal mummy
247630 | Zig:24   | Killed a royal mummy
247630 | Zig:24   | Killed a royal mummy
247630 | Zig:24   | Killed a royal mummy
247630 | Zig:24   | Killed a royal mummy
247630 | Zig:24   | Killed a royal mummy
247630 | Zig:24   | Killed a royal mummy
247631 | Zig:24   | Killed a royal mummy
248133 | Zig:24   | Identified the ring "Xafuepp" {rF+ rC+}
248149 | Zig:24   | Identified the staff of Currency {rC+ MP+9 Stlth+ Necro Ice
                  | Air}
248150 | Zig:24   | Identified the +4 broad axe "Death Rattle" {drain, Int+5}
248165 | Zig:24   | Identified the staff of the Horn {Air Earth}
248167 | Zig:24   | Identified the +8 hand axe "Undertaker" {drain, rElec rF+
                  | rN+ Str-3}
248168 | Zig:24   | Identified the staff "Vovag" {Str+3 Stlth+ Earth}
248171 | Zig:24   | Identified the +0 flail of Focus {holy, rCorr Int+6}
248224 | Zig:24   | Identified the blade talisman of Divine Compulsion {Fly rF-
                  | rC+ Str+7}
248227 | Zig:24   | Identified the +5 eudemon blade of Cauxty {holy, *Corrode
                  | rElec Dex+6 Stlth+}
248228 | Zig:24   | Identified the staff of Prudence {Will++ rCorr Dex-4 Conj
                  | Earth}
248368 | Zig:25   | Entered Level 25 of a ziggurat
248371 | Zig:25   | Noticed a juggernaut
248371 | Zig:25   | Noticed a juggernaut
248372 | Zig:25   | Noticed a juggernaut
248372 | Zig:25   | Noticed a juggernaut
248374 | Zig:25   | Killed a juggernaut
248374 | Zig:25   | Noticed a juggernaut
248374 | Zig:25   | Noticed a juggernaut
248375 | Zig:25   | Noticed a juggernaut
248375 | Zig:25   | Noticed a juggernaut
248375 | Zig:25   | Noticed a juggernaut
248376 | Zig:25   | Noticed a juggernaut
248376 | Zig:25   | Killed a juggernaut
248376 | Zig:25   | Killed a juggernaut
248376 | Zig:25   | Killed a juggernaut
248376 | Zig:25   | Noticed a juggernaut
248377 | Zig:25   | Noticed a juggernaut
248377 | Zig:25   | Noticed a juggernaut
248377 | Zig:25   | Noticed a juggernaut
248378 | Zig:25   | Killed a juggernaut
248378 | Zig:25   | Killed a juggernaut
248378 | Zig:25   | Killed a juggernaut
248378 | Zig:25   | Killed a juggernaut
248378 | Zig:25   | Killed a juggernaut
248378 | Zig:25   | Killed a juggernaut
248378 | Zig:25   | Noticed a juggernaut
248378 | Zig:25   | Noticed a juggernaut
248378 | Zig:25   | Killed a juggernaut
248379 | Zig:25   | Noticed a juggernaut
248379 | Zig:25   | Noticed a juggernaut
248379 | Zig:25   | Noticed a juggernaut
248379 | Zig:25   | Noticed a juggernaut
248380 | Zig:25   | Killed a juggernaut
248380 | Zig:25   | Killed a juggernaut
248380 | Zig:25   | Killed a juggernaut
248380 | Zig:25   | Killed a juggernaut
248380 | Zig:25   | Killed a juggernaut
248380 | Zig:25   | Noticed a juggernaut
248380 | Zig:25   | Noticed a juggernaut
248381 | Zig:25   | Noticed a juggernaut
248381 | Zig:25   | Noticed a juggernaut
248382 | Zig:25   | Killed a juggernaut
248382 | Zig:25   | Killed a juggernaut
248382 | Zig:25   | Noticed a juggernaut
248382 | Zig:25   | Noticed a juggernaut
248384 | Zig:25   | Killed a juggernaut
248384 | Zig:25   | Killed a juggernaut
248384 | Zig:25   | Killed a juggernaut
248384 | Zig:25   | Killed a juggernaut
248384 | Zig:25   | Killed a juggernaut
248384 | Zig:25   | Noticed a juggernaut
248384 | Zig:25   | Noticed a juggernaut
248384 | Zig:25   | Noticed a juggernaut
248385 | Zig:25   | Noticed a juggernaut
248385 | Zig:25   | Noticed a juggernaut
248385 | Zig:25   | Noticed a juggernaut
248385 | Zig:25   | Noticed a juggernaut
248385 | Zig:25   | Noticed a juggernaut
248385 | Zig:25   | Killed a juggernaut
248385 | Zig:25   | Noticed a juggernaut
248386 | Zig:25   | Killed a juggernaut
248386 | Zig:25   | Killed a juggernaut
248386 | Zig:25   | Killed a juggernaut
248387 | Zig:25   | Noticed a juggernaut
248387 | Zig:25   | Noticed a juggernaut
248387 | Zig:25   | Killed a juggernaut
248387 | Zig:25   | Killed a juggernaut
248387 | Zig:25   | Noticed a juggernaut
248387 | Zig:25   | Noticed a juggernaut
248388 | Zig:25   | Noticed a juggernaut
248388 | Zig:25   | Killed a juggernaut
248388 | Zig:25   | Killed a juggernaut
248388 | Zig:25   | Killed a juggernaut
248388 | Zig:25   | Killed a juggernaut
248388 | Zig:25   | Noticed a juggernaut
248388 | Zig:25   | Noticed a juggernaut
248388 | Zig:25   | Noticed a juggernaut
248389 | Zig:25   | Noticed a juggernaut
248389 | Zig:25   | Noticed a juggernaut
248389 | Zig:25   | Noticed a juggernaut
248389 | Zig:25   | Noticed a juggernaut
248389 | Zig:25   | Noticed a juggernaut
248390 | Zig:25   | Killed a juggernaut
248390 | Zig:25   | Killed a juggernaut
248390 | Zig:25   | Killed a juggernaut
248390 | Zig:25   | Killed a juggernaut
248390 | Zig:25   | Killed a juggernaut
248390 | Zig:25   | Killed a juggernaut
248390 | Zig:25   | Killed a juggernaut
248390 | Zig:25   | Killed a juggernaut
248390 | Zig:25   | Noticed a juggernaut
248390 | Zig:25   | Noticed a juggernaut
248390 | Zig:25   | Noticed a juggernaut
248390 | Zig:25   | Noticed a juggernaut
248390 | Zig:25   | Noticed a juggernaut
248390 | Zig:25   | Noticed a juggernaut
248390 | Zig:25   | Killed a juggernaut
248391 | Zig:25   | Noticed a juggernaut
248391 | Zig:25   | Noticed a juggernaut
248391 | Zig:25   | Killed a juggernaut
248391 | Zig:25   | Noticed a juggernaut
248391 | Zig:25   | Noticed a juggernaut
248391 | Zig:25   | Noticed a juggernaut
248392 | Zig:25   | Noticed a juggernaut
248392 | Zig:25   | Killed a juggernaut
248392 | Zig:25   | Killed a juggernaut
248392 | Zig:25   | Killed a juggernaut
248392 | Zig:25   | Killed a juggernaut
248392 | Zig:25   | Noticed a juggernaut
248392 | Zig:25   | Noticed a juggernaut
248392 | Zig:25   | Noticed a juggernaut
248393 | Zig:25   | Noticed a juggernaut
248393 | Zig:25   | Noticed a juggernaut
248393 | Zig:25   | Noticed a juggernaut
248393 | Zig:25   | Noticed a juggernaut
248394 | Zig:25   | Killed a juggernaut
248394 | Zig:25   | Killed a juggernaut
248394 | Zig:25   | Killed a juggernaut
248394 | Zig:25   | Killed a juggernaut
248394 | Zig:25   | Killed a juggernaut
248394 | Zig:25   | Killed a juggernaut
248394 | Zig:25   | Killed a juggernaut
248394 | Zig:25   | Killed a juggernaut
248394 | Zig:25   | Killed a juggernaut
248394 | Zig:25   | Killed a juggernaut
248394 | Zig:25   | Killed a juggernaut
248394 | Zig:25   | Noticed a juggernaut
248394 | Zig:25   | Noticed a juggernaut
248395 | Zig:25   | Noticed a juggernaut
248395 | Zig:25   | Killed a juggernaut
248395 | Zig:25   | Noticed a juggernaut
248396 | Zig:25   | Killed a juggernaut
248396 | Zig:25   | Killed a juggernaut
248396 | Zig:25   | Killed a juggernaut
248396 | Zig:25   | Killed a juggernaut
248396 | Zig:25   | Killed a juggernaut
248396 | Zig:25   | Killed a juggernaut
248396 | Zig:25   | Killed a juggernaut
248396 | Zig:25   | Killed a juggernaut
248396 | Zig:25   | Noticed a juggernaut
248396 | Zig:25   | Noticed a juggernaut
248397 | Zig:25   | Noticed a juggernaut
248398 | Zig:25   | Killed a juggernaut
248398 | Zig:25   | Killed a juggernaut
248398 | Zig:25   | Killed a juggernaut
248398 | Zig:25   | Noticed a juggernaut
248398 | Zig:25   | Noticed a juggernaut
248398 | Zig:25   | Noticed a juggernaut
248399 | Zig:25   | Killed a juggernaut
248400 | Zig:25   | Killed a juggernaut
248400 | Zig:25   | Killed a juggernaut
248400 | Zig:25   | Killed a juggernaut
248401 | Zig:25   | Noticed a juggernaut
248402 | Zig:25   | Noticed a juggernaut
248402 | Zig:25   | Noticed a juggernaut
248402 | Zig:25   | Killed a juggernaut
248402 | Zig:25   | Noticed a juggernaut
248403 | Zig:25   | Killed a juggernaut
248403 | Zig:25   | Noticed a juggernaut
248404 | Zig:25   | Killed a juggernaut
248404 | Zig:25   | Killed a juggernaut
248404 | Zig:25   | Killed a juggernaut
248406 | Zig:25   | Killed a juggernaut
248406 | Zig:25   | Killed a juggernaut
248408 | Zig:25   | Killed a juggernaut
248408 | Zig:25   | Noticed a juggernaut
248410 | Zig:25   | Killed a juggernaut
248410 | Zig:25   | Noticed a juggernaut
248412 | Zig:25   | Noticed a juggernaut
248413 | Zig:25   | Noticed a juggernaut
248414 | Zig:25   | Killed a juggernaut
248418 | Zig:25   | Killed a juggernaut
248418 | Zig:25   | Killed a juggernaut
248434 | Zig:25   | Noticed a juggernaut
248436 | Zig:25   | Killed a juggernaut
248451 | Zig:25   | Identified the staff of Fragile Peace {rC+ Str+3 Ice}
248512 | Zig:25   | Identified the ring "Fiyt" {rCorr MP+9 Dex+5 SInv}
248515 | Zig:25   | Identified the +4 morningstar of Sin {vamp, +Blink}
248521 | Zig:25   | Identified the staff "Goblinbane" {rCorr Conj}
248522 | Zig:25   | Identified the +9 lajatang of the Freezing Visionary
                  | {venom, rElec Will+}
248528 | Zig:25   | Identified the +2 robe of Evokkuam {Dex+4}
248533 | Zig:25   | Identified the +2 short sword of Malaise {freeze, rN++
                  | Dex-3}
248565 | Zig:25   | Identified the +7 quarterstaff of Vuivyid {vamp, rC++
                  | Str+4}
249190 | Zig:26   | Entered Level 26 of a ziggurat
249194 | Zig:26   | Noticed a juggernaut
249194 | Zig:26   | Noticed a juggernaut
249195 | Zig:26   | Killed a juggernaut
249195 | Zig:26   | Noticed a juggernaut
249195 | Zig:26   | Noticed a juggernaut
249195 | Zig:26   | Noticed a juggernaut
249196 | Zig:26   | Noticed a juggernaut
249196 | Zig:26   | Noticed a juggernaut
249196 | Zig:26   | Noticed a juggernaut
249196 | Zig:26   | Noticed a juggernaut
249196 | Zig:26   | Noticed a juggernaut
249197 | Zig:26   | Noticed a juggernaut
249197 | Zig:26   | Killed a juggernaut
249197 | Zig:26   | Killed a juggernaut
249197 | Zig:26   | Killed a juggernaut
249197 | Zig:26   | Killed a juggernaut
249198 | Zig:26   | Noticed a juggernaut
249198 | Zig:26   | Noticed a juggernaut
249198 | Zig:26   | Noticed a juggernaut
249199 | Zig:26   | Killed a juggernaut
249199 | Zig:26   | Killed a juggernaut
249199 | Zig:26   | Killed a juggernaut
249199 | Zig:26   | Killed a juggernaut
249199 | Zig:26   | Killed a juggernaut
249199 | Zig:26   | Noticed a juggernaut
249199 | Zig:26   | Noticed a juggernaut
249199 | Zig:26   | Noticed a juggernaut
249199 | Zig:26   | Noticed a juggernaut
249199 | Zig:26   | Noticed a juggernaut
249199 | Zig:26   | Noticed a juggernaut
249200 | Zig:26   | Noticed a juggernaut
249201 | Zig:26   | Killed a juggernaut
249201 | Zig:26   | Killed a juggernaut
249201 | Zig:26   | Killed a juggernaut
249201 | Zig:26   | Noticed a juggernaut
249202 | Zig:26   | Noticed a juggernaut
249202 | Zig:26   | Noticed a juggernaut
249203 | Zig:26   | Killed a juggernaut
249203 | Zig:26   | Killed a juggernaut
249203 | Zig:26   | Killed a juggernaut
249203 | Zig:26   | Killed a juggernaut
249203 | Zig:26   | Killed a juggernaut
249203 | Zig:26   | Killed a juggernaut
249203 | Zig:26   | Noticed a juggernaut
249204 | Zig:26   | Killed a juggernaut
249204 | Zig:26   | Killed a juggernaut
249204 | Zig:26   | Killed a juggernaut
249204 | Zig:26   | Killed a juggernaut
249204 | Zig:26   | Noticed a juggernaut
249205 | Zig:26   | Noticed a juggernaut
249205 | Zig:26   | Noticed a juggernaut
249205 | Zig:26   | Noticed a juggernaut
249205 | Zig:26   | Noticed a juggernaut
249205 | Zig:26   | Noticed a juggernaut
249206 | Zig:26   | Noticed a juggernaut
249206 | Zig:26   | Noticed a juggernaut
249206 | Zig:26   | Killed a juggernaut
249206 | Zig:26   | Killed a juggernaut
249206 | Zig:26   | Killed a juggernaut
249206 | Zig:26   | Killed a juggernaut
249206 | Zig:26   | Noticed a juggernaut
249206 | Zig:26   | Noticed a juggernaut
249206 | Zig:26   | Noticed a juggernaut
249206 | Zig:26   | Noticed a juggernaut
249207 | Zig:26   | Noticed a juggernaut
249207 | Zig:26   | Noticed a juggernaut
249207 | Zig:26   | Noticed a juggernaut
249208 | Zig:26   | Killed a juggernaut
249208 | Zig:26   | Killed a juggernaut
249208 | Zig:26   | Killed a juggernaut
249208 | Zig:26   | Killed a juggernaut
249208 | Zig:26   | Killed a juggernaut
249208 | Zig:26   | Killed a juggernaut
249208 | Zig:26   | Killed a juggernaut
249208 | Zig:26   | Noticed a juggernaut
249208 | Zig:26   | Noticed a juggernaut
249208 | Zig:26   | Noticed a juggernaut
249209 | Zig:26   | Noticed a juggernaut
249209 | Zig:26   | Noticed a juggernaut
249209 | Zig:26   | Noticed a juggernaut
249210 | Zig:26   | Killed a juggernaut
249210 | Zig:26   | Killed a juggernaut
249210 | Zig:26   | Killed a juggernaut
249210 | Zig:26   | Killed a juggernaut
249210 | Zig:26   | Killed a juggernaut
249210 | Zig:26   | Killed a juggernaut
249210 | Zig:26   | Killed a juggernaut
249210 | Zig:26   | Killed a juggernaut
249210 | Zig:26   | Noticed a juggernaut
249210 | Zig:26   | Noticed a juggernaut
249210 | Zig:26   | Noticed a juggernaut
249210 | Zig:26   | Noticed a juggernaut
249210 | Zig:26   | Noticed a juggernaut
249211 | Zig:26   | Noticed a juggernaut
249211 | Zig:26   | Noticed a juggernaut
249211 | Zig:26   | Noticed a juggernaut
249211 | Zig:26   | Noticed a juggernaut
249211 | Zig:26   | Noticed a juggernaut
249211 | Zig:26   | Killed a juggernaut
249212 | Zig:26   | Killed a juggernaut
249212 | Zig:26   | Killed a juggernaut
249212 | Zig:26   | Killed a juggernaut
249212 | Zig:26   | Killed a juggernaut
249212 | Zig:26   | Noticed a juggernaut
249212 | Zig:26   | Noticed a juggernaut
249212 | Zig:26   | Noticed a juggernaut
249212 | Zig:26   | Killed a juggernaut
249212 | Zig:26   | Noticed a juggernaut
249213 | Zig:26   | Noticed a juggernaut
249213 | Zig:26   | Noticed a juggernaut
249213 | Zig:26   | Noticed a juggernaut
249213 | Zig:26   | Noticed a juggernaut
249213 | Zig:26   | Noticed a juggernaut
249214 | Zig:26   | Killed a juggernaut
249214 | Zig:26   | Killed a juggernaut
249214 | Zig:26   | Killed a juggernaut
249214 | Zig:26   | Killed a juggernaut
249214 | Zig:26   | Killed a juggernaut
249214 | Zig:26   | Killed a juggernaut
249214 | Zig:26   | Killed a juggernaut
249214 | Zig:26   | Noticed a juggernaut
249214 | Zig:26   | Noticed a juggernaut
249215 | Zig:26   | Noticed a juggernaut
249216 | Zig:26   | Noticed a juggernaut
249216 | Zig:26   | Killed a juggernaut
249216 | Zig:26   | Killed a juggernaut
249216 | Zig:26   | Killed a juggernaut
249216 | Zig:26   | Killed a juggernaut
249216 | Zig:26   | Killed a juggernaut
249216 | Zig:26   | Killed a juggernaut
249216 | Zig:26   | Killed a juggernaut
249216 | Zig:26   | Killed a juggernaut
249216 | Zig:26   | Killed a juggernaut
249216 | Zig:26   | Killed a juggernaut
249216 | Zig:26   | Killed a juggernaut
249216 | Zig:26   | Killed a juggernaut
249216 | Zig:26   | Noticed a juggernaut
249216 | Zig:26   | Noticed a juggernaut
249216 | Zig:26   | Noticed a juggernaut
249216 | Zig:26   | Noticed a juggernaut
249217 | Zig:26   | Noticed a juggernaut
249217 | Zig:26   | Noticed a juggernaut
249217 | Zig:26   | Noticed a juggernaut
249217 | Zig:26   | Noticed a juggernaut
249217 | Zig:26   | Noticed a juggernaut
249217 | Zig:26   | Noticed a juggernaut
249218 | Zig:26   | Killed a juggernaut
249218 | Zig:26   | Killed a juggernaut
249218 | Zig:26   | Killed a juggernaut
249218 | Zig:26   | Killed a juggernaut
249218 | Zig:26   | Killed a juggernaut
249218 | Zig:26   | Noticed a juggernaut
249218 | Zig:26   | Noticed a juggernaut
249218 | Zig:26   | Noticed a juggernaut
249218 | Zig:26   | Noticed a juggernaut
249218 | Zig:26   | Noticed a juggernaut
249219 | Zig:26   | Noticed a juggernaut
249219 | Zig:26   | Noticed a juggernaut
249219 | Zig:26   | Noticed a juggernaut
249219 | Zig:26   | Noticed a juggernaut
249219 | Zig:26   | Noticed a juggernaut
249219 | Zig:26   | Noticed a juggernaut
249219 | Zig:26   | Noticed a juggernaut
249219 | Zig:26   | Noticed a juggernaut
249219 | Zig:26   | Killed a juggernaut
249220 | Zig:26   | Killed a juggernaut
249220 | Zig:26   | Killed a juggernaut
249220 | Zig:26   | Killed a juggernaut
249220 | Zig:26   | Killed a juggernaut
249220 | Zig:26   | Noticed a juggernaut
249220 | Zig:26   | Killed a juggernaut
249220 | Zig:26   | Noticed a juggernaut
249220 | Zig:26   | Killed a juggernaut
249220 | Zig:26   | Noticed a juggernaut
249220 | Zig:26   | Killed a juggernaut
249220 | Zig:26   | Noticed a juggernaut
249220 | Zig:26   | Noticed a juggernaut
249220 | Zig:26   | Noticed a juggernaut
249221 | Zig:26   | Noticed a juggernaut
249221 | Zig:26   | Noticed a juggernaut
249221 | Zig:26   | Noticed a juggernaut
249221 | Zig:26   | Noticed a juggernaut
249221 | Zig:26   | Noticed a juggernaut
249221 | Zig:26   | Noticed a juggernaut
249221 | Zig:26   | Noticed a juggernaut
249222 | Zig:26   | Killed a juggernaut
249222 | Zig:26   | Killed a juggernaut
249222 | Zig:26   | Killed a juggernaut
249222 | Zig:26   | Killed a juggernaut
249222 | Zig:26   | Killed a juggernaut
249222 | Zig:26   | Killed a juggernaut
249222 | Zig:26   | Killed a juggernaut
249222 | Zig:26   | Killed a juggernaut
249222 | Zig:26   | Killed a juggernaut
249222 | Zig:26   | Killed a juggernaut
249222 | Zig:26   | Killed a juggernaut
249222 | Zig:26   | Killed a juggernaut
249222 | Zig:26   | Killed a juggernaut
249222 | Zig:26   | Noticed a juggernaut
249222 | Zig:26   | Noticed a juggernaut
249222 | Zig:26   | Killed a juggernaut
249222 | Zig:26   | Noticed a juggernaut
249222 | Zig:26   | Noticed a juggernaut
249223 | Zig:26   | Noticed a juggernaut
249223 | Zig:26   | Noticed a juggernaut
249223 | Zig:26   | Noticed a juggernaut
249223 | Zig:26   | Killed a juggernaut
249223 | Zig:26   | Noticed a juggernaut
249223 | Zig:26   | Noticed a juggernaut
249223 | Zig:26   | Killed a juggernaut
249223 | Zig:26   | Noticed a juggernaut
249224 | Zig:26   | Killed a juggernaut
249224 | Zig:26   | Killed a juggernaut
249224 | Zig:26   | Killed a juggernaut
249224 | Zig:26   | Killed a juggernaut
249224 | Zig:26   | Killed a juggernaut
249224 | Zig:26   | Killed a juggernaut
249224 | Zig:26   | Killed a juggernaut
249224 | Zig:26   | Killed a juggernaut
249224 | Zig:26   | Killed a juggernaut
249224 | Zig:26   | Killed a juggernaut
249224 | Zig:26   | Noticed a juggernaut
249224 | Zig:26   | Noticed a juggernaut
249224 | Zig:26   | Noticed a juggernaut
249224 | Zig:26   | Noticed a juggernaut
249225 | Zig:26   | Killed a juggernaut
249225 | Zig:26   | Noticed a juggernaut
249226 | Zig:26   | Killed a juggernaut
249226 | Zig:26   | Killed a juggernaut
249226 | Zig:26   | Killed a juggernaut
249226 | Zig:26   | Killed a juggernaut
249226 | Zig:26   | Killed a juggernaut
249226 | Zig:26   | Killed a juggernaut
249226 | Zig:26   | Killed a juggernaut
249226 | Zig:26   | Killed a juggernaut
249226 | Zig:26   | Killed a juggernaut
249226 | Zig:26   | Killed a juggernaut
249226 | Zig:26   | Killed a juggernaut
249226 | Zig:26   | Noticed a juggernaut
249226 | Zig:26   | Noticed a juggernaut
249228 | Zig:26   | Killed a juggernaut
249228 | Zig:26   | Killed a juggernaut
249228 | Zig:26   | Noticed a juggernaut
249230 | Zig:26   | Killed a juggernaut
249230 | Zig:26   | Killed a juggernaut
249230 | Zig:26   | Killed a juggernaut
249230 | Zig:26   | Noticed a juggernaut
249232 | Zig:26   | Noticed a juggernaut
249234 | Zig:26   | Killed a juggernaut
249237 | Zig:26   | Noticed a juggernaut
249238 | Zig:26   | Noticed a juggernaut
249241 | Zig:26   | Killed a juggernaut
249242 | Zig:26   | Killed a juggernaut
249243 | Zig:26   | Killed a juggernaut
249243 | Zig:26   | Noticed a juggernaut
249245 | Zig:26   | Killed a juggernaut
249247 | Zig:26   | Killed a juggernaut
249249 | Zig:26   | Noticed a juggernaut
249249 | Zig:26   | Killed a juggernaut
249260 | Zig:26   | Killed a juggernaut
249278 | Zig:26   | Identified the ring "Noehiucs" {^Drain rPois EV+5 Slay+2}
249280 | Zig:26   | Identified the +5 long sword of Luoruyju {freeze, *Slow
                  | rPois Dex+3 Stlth+}
249725 | Zig:26   | Identified the +0 chain mail "Qetacreq" {Will+ Str+2 Int-2
                  | Dex+6}
249731 | Zig:26   | Identified the ring "Olezom" {rElec rC+ rCorr Dex+4}
249751 | Zig:26   | Identified the +6 dagger of War {flame, ^Fragile Dex+4}
249759 | Zig:26   | Identified the +1 robe of Impressiveness {^Contam Harm rN+
                  | MP+9}
249761 | Zig:26   | Identified the +4 eudemon blade "Grim" {holy, rN+}
249765 | Zig:26   | Identified the +7 dagger "Bohet" {freeze, rC+ rN+ Int-3
                  | Stlth+}
249783 | Zig:26   | Identified the ring "Forget-Me-Not" {^Contam Will+ rCorr
                  | Int+3}
249785 | Zig:26   | Identified the amulet "Jarphi Jyukk" {^Fragile rPois Regen+
                  | Dex+2}
249814 | Zig:26   | Identified the ring of the Heron {rF+ rN+ rCorr MP+9 Int-3}
249834 | Zig:26   | Identified the ring "Ciffuraf" {rElec EV+5 Dex+5 Slay-5}
249836 | Zig:26   | Identified the +11 mace of Qiybey {drain, rPois rC+ Int+3
                  | Dex+3}
249840 | Zig:26   | Identified the +0 flail "Qoateime" {heavy, +Blink rN++
                  | rCorr Dex-2}
249850 | Zig:26   | Identified the staff of the Badger {rN+ Str+2 Necro}
249864 | Zig:26   | Identified the +0 plate armour of Hangman {rC+ SInv}
249904 | Zig:26   | Identified the +0 chain mail of Watchfulness {-Cast rPois
                  | Str+4 Stlth+}
249906 | Zig:26   | Identified the +1 rapier of Cumu {protect, rF+ rCorr Int+2}
249917 | Zig:26   | Identified the +5 ring mail of the Nexus {rF+ rCorr Str-5
                  | Dex+7}
250037 | Zig:26   | Identified the +7 eudemon blade of the Thirsty Mystics
                  | {holy, rPois rF+ Dex+4}
250045 | Zig:27   | Entered Level 27 of a ziggurat
250150 | Zig:27   | Identified the +0 halberd of Hatred {freeze, rElec rF+}
250152 | Zig:27   | Identified the +1 ring mail of Virtue {+Inv}
250169 | Zig:27   | Identified the +9 whip of Equilibrium {antimagic, Str+2
                  | Dex+2}
250170 | Zig:27   | Identified the +7 great mace "Jelly's Nightmare" {flame,
                  | Will+ Int+2}
250179 | Zig:27   | Identified the +3 arbalest "Peowah" {drain, *Slow rPois rN+
                  | Will+}
250180 | Zig:27   | Identified the +1 plate armour of the Grue {^Drain rElec
                  | rPois rN+}
250191 | Zig:27   | Identified the +0 chain mail of Defence {Will++ Dex-4}
250197 | Zig:27   | Identified the staff of Ujixait {rC+ rN+ Will+ Int+3 Necro}
250207 | Zig:27   | Identified the ring of Yendor {rElec rF+ Int+5 Dex-2 SInv}
250309 | Zig:27   | Identified the ring of Citutau {rC+ rN+ rCorr Str-3 Stlth+}
250317 | Zig:27   | Identified the +1 orcbow of Interdependent Arising {freeze,
                  | ^Contam rElec rN+ rCorr}
251051 | Zig:1    | Entered Level 1 of a ziggurat
251086 | Zig:1    | Identified the +2 robe of Oblivion {rElec rCorr}
251114 | Zig:2    | Entered Level 2 of a ziggurat
251208 | Zig:3    | Entered Level 3 of a ziggurat
251208 | Zig:3    | Noticed an ancient lich
251208 | Zig:3    | Noticed a dread lich
251208 | Zig:3    | Noticed an ancient lich
251208 | Zig:3    | Noticed an ancient lich
251208 | Zig:3    | Noticed a dread lich
251208 | Zig:3    | Noticed a dread lich
251208 | Zig:3    | Noticed a dread lich
251208 | Zig:3    | Noticed an ancient lich
251208 | Zig:3    | Noticed a dread lich
251208 | Zig:3    | Noticed an ancient lich
251208 | Zig:3    | Noticed an ancient lich
251208 | Zig:3    | Noticed a dread lich
251208 | Zig:3    | Noticed a dread lich
251209 | Zig:3    | Killed a dread lich
251209 | Zig:3    | Killed an ancient lich
251209 | Zig:3    | Killed a dread lich
251209 | Zig:3    | Killed a dread lich
251209 | Zig:3    | Killed a dread lich
251209 | Zig:3    | Killed a dread lich
251209 | Zig:3    | Killed an ancient lich
251209 | Zig:3    | Killed a dread lich
251210 | Zig:3    | Killed an ancient lich
251210 | Zig:3    | Killed an ancient lich
251210 | Zig:3    | Killed a dread lich
251210 | Zig:3    | Killed an ancient lich
251210 | Zig:3    | Killed an ancient lich
251210 | Zig:3    | Noticed an ancient lich
251210 | Zig:3    | Noticed an ancient lich
251210 | Zig:3    | Noticed a dread lich
251211 | Zig:3    | Killed an ancient lich
251213 | Zig:3    | Killed a dread lich
251213 | Zig:3    | Killed an ancient lich
251372 | Zig:4    | Entered Level 4 of a ziggurat
251518 | Zig:5    | Entered Level 5 of a ziggurat
251571 | Zig:5    | Identified the +8 quarterstaff "Arcanum" {elec, rElec Will+
                  | Int+5 Dex-2}
251575 | Zig:5    | Identified the staff of Defiance {rC+ SInv Conj Ice}
251701 | Zig:6    | Entered Level 6 of a ziggurat
251701 | Zig:6    | Noticed a royal mummy
251701 | Zig:6    | Noticed a royal mummy
251701 | Zig:6    | Noticed a royal mummy
251701 | Zig:6    | Noticed a royal mummy
251701 | Zig:6    | Noticed a royal mummy
251701 | Zig:6    | Noticed a royal mummy
251702 | Zig:6    | Killed a royal mummy
251702 | Zig:6    | Killed a royal mummy
251702 | Zig:6    | Killed a royal mummy
251702 | Zig:6    | Killed a royal mummy
251702 | Zig:6    | Killed a royal mummy
251702 | Zig:6    | Killed a royal mummy
251703 | Zig:6    | Noticed a royal mummy
251703 | Zig:6    | Noticed a royal mummy
251704 | Zig:6    | Killed a royal mummy
251704 | Zig:6    | Killed a royal mummy
251705 | Zig:6    | Noticed a royal mummy
251707 | Zig:6    | Killed a royal mummy
251848 | Zig:6    | Identified the death talisman of the Lute {Int-3 Slay+3
                  | Stlth+}
251875 | Zig:6    | Identified the +7 shortbow "Embalmer" {flame, rF+ rC+ Str+3
                  | Stlth+}
251922 | Zig:7    | Entered Level 7 of a ziggurat
251923 | Zig:7    | Paralysed by an air elemental for 1 turns
251960 | Zig:7    | Identified the +0 leather armour of Impermeability {rPois
                  | Int+5}
251975 | Zig:7    | Identified the +7 spear "Zyeramn" {flame, rF+}
251998 | Zig:7    | Identified the +4 scale mail of Gafyemom {Regen+ Dex+3
                  | SInv}
252006 | Zig:7    | Identified the +5 scimitar of the Asp {venom, Dex+5}
252158 | Zig:8    | Entered Level 8 of a ziggurat
252167 | Zig:8    | Noticed Qorrun the pandemonium lord
252208 | Zig:8    | Killed Qorrun the pandemonium lord
252334 | Zig:8    | Identified the +4 morningstar "Waipasae" {drain, rPois
                  | Str+5}
252358 | Zig:8    | Identified the staff of Division {rPois Will+ Str-4 Summ
                  | Alchemy}
252382 | Zig:8    | Identified the amulet "Soczarr" {RegenMP Fly rElec Int+4
                  | Stlth+}
252404 | Zig:9    | Entered Level 9 of a ziggurat
252421 | Zig:9    | Noticed Japiem the pandemonium lord
252430 | Zig:9    | Killed Japiem the pandemonium lord
252480 | Zig:9    | Identified the ring "Efaimey" {Fly rCorr Str+3 Int-5}
252489 | Zig:9    | Identified the +11 shortbow "Kagyciest" {flame, ^Fragile
                  | rElec Int+4 Dex+3}
252491 | Zig:9    | Identified the +0 ring mail of the Glamorous God {rPois rN+
                  | rCorr}
252506 | Zig:9    | Identified the +0 ring mail of Xoudegim {rC+ Str-5 Int+4
                  | Dex+2}
252725 | Zig:10   | Entered Level 10 of a ziggurat
252957 | Zig:10   | Identified the amulet of the Sky {RegenMP MP-9 Int+4 Slay+2
                  | SInv}
252973 | Zig:10   | Identified the +7 hand axe "Ewnick" {heavy, rN+ Dex+2}
253036 | Zig:11   | Entered Level 11 of a ziggurat
253036 | Zig:11   | Noticed an ancient lich
253036 | Zig:11   | Noticed a dread lich
253036 | Zig:11   | Noticed an ancient lich
253036 | Zig:11   | Noticed a dread lich
253036 | Zig:11   | Noticed a dread lich
253036 | Zig:11   | Noticed an ancient lich
253036 | Zig:11   | Noticed a dread lich
253036 | Zig:11   | Noticed an ancient lich
253036 | Zig:11   | Noticed a dread lich
253036 | Zig:11   | Noticed an ancient lich
253036 | Zig:11   | Noticed a dread lich
253036 | Zig:11   | Noticed a dread lich
253036 | Zig:11   | Noticed a dread lich
253036 | Zig:11   | Noticed an ancient lich
253036 | Zig:11   | Noticed an ancient lich
253036 | Zig:11   | Noticed a dread lich
253036 | Zig:11   | Noticed an ancient lich
253036 | Zig:11   | Noticed a dread lich
253036 | Zig:11   | Noticed an ancient lich
253036 | Zig:11   | Noticed a dread lich
253037 | Zig:11   | Killed a dread lich
253037 | Zig:11   | Killed an ancient lich
253037 | Zig:11   | Killed a dread lich
253037 | Zig:11   | Killed a dread lich
253037 | Zig:11   | Killed a dread lich
253037 | Zig:11   | Killed a dread lich
253037 | Zig:11   | Killed an ancient lich
253037 | Zig:11   | Killed a dread lich
253037 | Zig:11   | Killed a dread lich
253037 | Zig:11   | Killed an ancient lich
253038 | Zig:11   | Killed an ancient lich
253038 | Zig:11   | Killed a dread lich
253038 | Zig:11   | Killed an ancient lich
253038 | Zig:11   | Killed an ancient lich
253038 | Zig:11   | Killed a dread lich
253038 | Zig:11   | Killed an ancient lich
253038 | Zig:11   | Killed a dread lich
253038 | Zig:11   | Killed an ancient lich
253038 | Zig:11   | Noticed an ancient lich
253038 | Zig:11   | Noticed a dread lich
253039 | Zig:11   | Killed a dread lich
253040 | Zig:11   | Noticed a dread lich
253040 | Zig:11   | Noticed a dread lich
253040 | Zig:11   | Noticed an ancient lich
253040 | Zig:11   | Noticed an ancient lich
253040 | Zig:11   | Noticed an ancient lich
253040 | Zig:11   | Noticed an ancient lich
253041 | Zig:11   | Killed an ancient lich
253041 | Zig:11   | Killed a dread lich
253041 | Zig:11   | Killed a dread lich
253041 | Zig:11   | Killed an ancient lich
253041 | Zig:11   | Killed an ancient lich
253041 | Zig:11   | Killed an ancient lich
253041 | Zig:11   | Killed an ancient lich
253042 | Zig:11   | Noticed an ancient lich
253042 | Zig:11   | Noticed a dread lich
253042 | Zig:11   | Noticed an ancient lich
253042 | Zig:11   | Noticed an ancient lich
253042 | Zig:11   | Noticed an ancient lich
253042 | Zig:11   | Killed an ancient lich
253043 | Zig:11   | Killed a dread lich
253043 | Zig:11   | Killed an ancient lich
253043 | Zig:11   | Killed an ancient lich
253044 | Zig:11   | Noticed a dread lich
253045 | Zig:11   | Killed a dread lich
253045 | Zig:11   | Killed an ancient lich
253045 | Zig:11   | Killed an ancient lich
253045 | Zig:11   | Noticed an ancient lich
253045 | Zig:11   | Noticed a dread lich
253046 | Zig:11   | Noticed an ancient lich
253046 | Zig:11   | Noticed a dread lich
253047 | Zig:11   | Killed a dread lich
253047 | Zig:11   | Killed a dread lich
253047 | Zig:11   | Killed an ancient lich
253047 | Zig:11   | Killed an ancient lich
253047 | Zig:11   | Killed a dread lich
253047 | Zig:11   | Noticed an ancient lich
253048 | Zig:11   | Noticed a dread lich
253048 | Zig:11   | Noticed a dread lich
253048 | Zig:11   | Noticed a dread lich
253048 | Zig:11   | Noticed an ancient lich
253049 | Zig:11   | Noticed a dread lich
253049 | Zig:11   | Killed an ancient lich
253049 | Zig:11   | Killed a dread lich
253050 | Zig:11   | Noticed a dread lich
253051 | Zig:11   | Killed a dread lich
253051 | Zig:11   | Killed an ancient lich
253051 | Zig:11   | Killed a dread lich
253051 | Zig:11   | Killed a dread lich
253052 | Zig:11   | Noticed a dread lich
253054 | Zig:11   | Noticed an ancient lich
253054 | Zig:11   | Killed a dread lich
253055 | Zig:11   | Killed a dread lich
253057 | Zig:11   | Killed an ancient lich
253123 | Zig:11   | Identified the ring of Finality {Will+ EV+5 Dex+2}
253396 | Zig:12   | Entered Level 12 of a ziggurat
253415 | Zig:12   | Noticed Cop Yxiph the pandemonium lord
253427 | Zig:12   | Killed Cop Yxiph the pandemonium lord
253711 | Zig:12   | Identified the +0 hand axe of the Penguin {antimagic,
                  | rPois}
253730 | Zig:12   | Identified the serpent talisman of Calculation {rC- rCorr
                  | Int+2}
253732 | Zig:12   | Identified the +2 morningstar "Oreli" {antimagic, +Blink
                  | rPois Int-5 Dex-5}
253742 | Zig:12   | Identified the +3 leather armour of Veuxikk {rPois rN+
                  | Str-4}
253778 | Zig:13   | Entered Level 13 of a ziggurat
253778 | Zig:13   | Noticed a royal mummy
253778 | Zig:13   | Noticed a royal mummy
253778 | Zig:13   | Noticed a royal mummy
253778 | Zig:13   | Noticed a royal mummy
253778 | Zig:13   | Noticed a royal mummy
253778 | Zig:13   | Noticed a royal mummy
253778 | Zig:13   | Noticed a royal mummy
253779 | Zig:13   | Killed a royal mummy
253780 | Zig:13   | Killed a royal mummy
253780 | Zig:13   | Killed a royal mummy
253780 | Zig:13   | Killed a royal mummy
253780 | Zig:13   | Killed a royal mummy
253780 | Zig:13   | Killed a royal mummy
253780 | Zig:13   | Killed a royal mummy
253781 | Zig:13   | Noticed a royal mummy
253783 | Zig:13   | Noticed a royal mummy
253783 | Zig:13   | Noticed a royal mummy
253784 | Zig:13   | Killed a royal mummy
253785 | Zig:13   | Noticed a royal mummy
253786 | Zig:13   | Killed a royal mummy
253786 | Zig:13   | Killed a royal mummy
253787 | Zig:13   | Killed a royal mummy
253789 | Zig:13   | Noticed a royal mummy
253789 | Zig:13   | Noticed a royal mummy
253790 | Zig:13   | Noticed a royal mummy
253790 | Zig:13   | Noticed a royal mummy
253791 | Zig:13   | Killed a royal mummy
253791 | Zig:13   | Killed a royal mummy
253791 | Zig:13   | Noticed a royal mummy
253792 | Zig:13   | Noticed a royal mummy
253793 | Zig:13   | Killed a royal mummy
253793 | Zig:13   | Killed a royal mummy
253795 | Zig:13   | Killed a royal mummy
253795 | Zig:13   | Killed a royal mummy
253834 | Zig:13   | Identified the +0 chain mail of the Evening Star {Int+2}
253923 | Zig:13   | Identified the ring "Zimuwn" {Fly rPois rF+ Int-3 Dex+5}
253935 | Zig:13   | Identified the +1 chain mail of Ethics {rPois Str+2}
254162 | Zig:14   | Entered Level 14 of a ziggurat
254231 | Zig:14   | Identified the +1 chain mail "Jixteklior" {rF+ Str+5 Dex-3}
254233 | Zig:14   | Identified the staff of the Glimmering Queen {rN+ Will+
                  | Necro}
254251 | Zig:14   | Identified the ring "Leziobb" {rN+ Str+3}
254253 | Zig:14   | Identified the +6 eudemon blade of the Imperium {holy,
                  | Will+ Stlth+}
254257 | Zig:14   | Identified the +10 trident of Inienacy {flame, ^Drain rElec
                  | rPois Stlth+}
254266 | Zig:14   | Identified the ring "Laolae Ocep" {rElec rCorr Int+3 Dex+6}
254534 | Zig:14   | Identified the +1 eudemon blade "Qanlu" {holy, rElec Int+4}
254559 | Zig:14   | Identified the +0 leather armour of Mitzim {Harm rF+ MP+9}
254561 | Zig:14   | Identified the +1 scale mail of Elyvilon's Castigation
                  | {rPois rF- Will+++ Int+3}
254566 | Zig:14   | Identified the +7 shortbow "Aplog" {antimagic, *Corrode Fly
                  | rC- Int+5}
254575 | Zig:14   | Identified the +3 scale mail of Insecurity {MP+9}
254588 | Zig:15   | Entered Level 15 of a ziggurat
254654 | Zig:15   | Identified the ring of the Uplifting Gods {rElec rC+++
                  | Str+6 SInv Stlth-}
254656 | Zig:15   | Identified the staff "Jodas" {rPois Will+ Conj Tloc
                  | Alchemy}
254660 | Zig:15   | Identified the +7 morningstar of Drought {freeze, +Blink
                  | Dex+4}
254661 | Zig:15   | Identified the +0 scale mail of Dishonesty {Will+ Str-5
                  | SInv}
254672 | Zig:15   | Identified the +5 ring mail "Zuc Loobleso" {rC+ Str+4}
254674 | Zig:15   | Identified the +1 robe "Sulemov" {rPois rF- Str-4 Stlth+}
254678 | Zig:15   | Identified the +5 ring mail of Nisheir {Str+3 Slay+5}
254976 | Zig:16   | Entered Level 16 of a ziggurat
255346 | Zig:16   | Identified the staff of Eternal Vigilance {rC+++ rN+ Will-
                  | Necro Tloc Fire}
255352 | Zig:16   | Identified the +10 dagger "Joydiuzu" {venom, Dex+5}
255353 | Zig:16   | Identified the -1 hat of Muosag {Str+4 Int+3 Dex+3}
255355 | Zig:16   | Identified the +0 leather armour of Focoxzon {Int+3}
255356 | Zig:16   | Identified the +1 scale mail of the Nexus {Int+4 Stlth+}
255362 | Zig:16   | Identified the ring of Midsummer {+Blink rElec Will- EV+5
                  | Slay+4}
255379 | Zig:17   | Entered Level 17 of a ziggurat
255379 | Zig:17   | Noticed a seraph
255379 | Zig:17   | Noticed a seraph
255379 | Zig:17   | Noticed a seraph
255379 | Zig:17   | Noticed a seraph
255379 | Zig:17   | Noticed a seraph
255379 | Zig:17   | Noticed a seraph
255382 | Zig:17   | Killed a seraph
255382 | Zig:17   | Killed a seraph
255383 | Zig:17   | Identified the +4 tower shield "Damnable Contraption"
                  | {rPois rC++ Int-2}
255385 | Zig:17   | Killed a seraph
255386 | Zig:17   | Noticed a seraph
255388 | Zig:17   | Identified the +2 buckler "Fizxoa" {+Blink rC+++ Will-}
255388 | Zig:17   | Killed a seraph
255388 | Zig:17   | Killed a seraph
255391 | Zig:17   | Killed a seraph
255392 | Zig:17   | Noticed a seraph
255398 | Zig:17   | Killed a seraph
255400 | Zig:17   | Killed a seraph
255414 | Zig:17   | Noticed a seraph
255416 | Zig:17   | Noticed a seraph
255418 | Zig:17   | Killed a seraph
255419 | Zig:17   | Killed a seraph
255427 | Zig:17   | Noticed a seraph
255429 | Zig:17   | Killed a seraph
255432 | Zig:17   | Noticed a seraph
255435 | Zig:17   | Killed a seraph
255500 | Zig:17   | Identified the staff of Eternal Harmony {Fly rPois Str+2
                  | Alchemy}
255501 | Zig:17   | Identified the ring "Piuschink" {rPois rF+ Str+3 Int+3
                  | Dex+3}
255514 | Zig:17   | Identified the +11 mace of Cimof {flame, rF+}
255537 | Zig:17   | Identified the ring of Qegro {rCorr Str+3 Int+3 Stlth+}
255549 | Zig:17   | Identified the +2 flail "Neulas" {pain, rElec rPois Str-3
                  | Int+3}
255558 | Zig:17   | Identified the staff of Ad Valorem {rElec rC+ Will- rCorr
                  | Dex+7 Air}
255559 | Zig:17   | Identified the +3 shortbow "Conservator" {freeze, rElec
                  | Str-5 Int+5}
255565 | Zig:17   | Identified the +10 quarterstaff of Extinguishment {flame,
                  | *Corrode Str+3 Int+6 Dex-5}
255571 | Zig:17   | Identified the ring "Weom" {rPois AC+4 Int+4}
255790 | Zig:17   | Identified the +4 barding of the Wasteland {Fly Str+5 Dex-4
                  | SInv}
255799 | Zig:18   | Entered Level 18 of a ziggurat
255799 | Zig:18   | Noticed an ancient lich
255799 | Zig:18   | Noticed a dread lich
255799 | Zig:18   | Noticed an ancient lich
255799 | Zig:18   | Noticed an ancient lich
255799 | Zig:18   | Noticed a dread lich
255799 | Zig:18   | Noticed a dread lich
255799 | Zig:18   | Noticed a dread lich
255799 | Zig:18   | Noticed an ancient lich
255799 | Zig:18   | Noticed a dread lich
255799 | Zig:18   | Noticed an ancient lich
255799 | Zig:18   | Noticed an ancient lich
255799 | Zig:18   | Noticed a dread lich
255799 | Zig:18   | Noticed an ancient lich
255799 | Zig:18   | Noticed a dread lich
255799 | Zig:18   | Noticed an ancient lich
255799 | Zig:18   | Noticed an ancient lich
255799 | Zig:18   | Noticed an ancient lich
255799 | Zig:18   | Noticed an ancient lich
255799 | Zig:18   | Noticed an ancient lich
255799 | Zig:18   | Noticed an ancient lich
255799 | Zig:18   | Noticed an ancient lich
255800 | Zig:18   | Killed an ancient lich
255800 | Zig:18   | Killed an ancient lich
255800 | Zig:18   | Killed an ancient lich
255800 | Zig:18   | Killed a dread lich
255800 | Zig:18   | Killed an ancient lich
255800 | Zig:18   | Killed an ancient lich
255800 | Zig:18   | Killed an ancient lich
255800 | Zig:18   | Killed a dread lich
255800 | Zig:18   | Killed an ancient lich
255800 | Zig:18   | Killed an ancient lich
255801 | Zig:18   | Killed an ancient lich
255801 | Zig:18   | Killed an ancient lich
255801 | Zig:18   | Killed an ancient lich
255801 | Zig:18   | Killed an ancient lich
255801 | Zig:18   | Killed a dread lich
255801 | Zig:18   | Killed a dread lich
255801 | Zig:18   | Killed a dread lich
255801 | Zig:18   | Killed a dread lich
255801 | Zig:18   | Killed an ancient lich
255801 | Zig:18   | Killed an ancient lich
255801 | Zig:18   | Killed a dread lich
255801 | Zig:18   | Noticed an ancient lich
255801 | Zig:18   | Noticed a dread lich
255802 | Zig:18   | Killed an ancient lich
255802 | Zig:18   | Noticed an ancient lich
255803 | Zig:18   | Noticed a dread lich
255803 | Zig:18   | Noticed an ancient lich
255803 | Zig:18   | Noticed a dread lich
255803 | Zig:18   | Noticed an ancient lich
255804 | Zig:18   | Killed a dread lich
255804 | Zig:18   | Killed an ancient lich
255805 | Zig:18   | Killed an ancient lich
255805 | Zig:18   | Killed a dread lich
255805 | Zig:18   | Killed an ancient lich
255805 | Zig:18   | Killed a dread lich
255805 | Zig:18   | Noticed a dread lich
255805 | Zig:18   | Noticed an ancient lich
255807 | Zig:18   | Noticed a dread lich
255807 | Zig:18   | Noticed an ancient lich
255807 | Zig:18   | Noticed an ancient lich
255807 | Zig:18   | Noticed an ancient lich
255807 | Zig:18   | Noticed an ancient lich
255807 | Zig:18   | Noticed an ancient lich
255808 | Zig:18   | Killed a dread lich
255808 | Zig:18   | Killed an ancient lich
255808 | Zig:18   | Killed an ancient lich
255808 | Zig:18   | Killed an ancient lich
255808 | Zig:18   | Killed an ancient lich
255808 | Zig:18   | Killed a dread lich
255808 | Zig:18   | Killed an ancient lich
255808 | Zig:18   | Noticed a dread lich
255808 | Zig:18   | Noticed a dread lich
255809 | Zig:18   | Noticed an ancient lich
255809 | Zig:18   | Noticed a dread lich
255809 | Zig:18   | Noticed an ancient lich
255810 | Zig:18   | Killed a dread lich
255810 | Zig:18   | Killed an ancient lich
255810 | Zig:18   | Killed an ancient lich
255810 | Zig:18   | Noticed a dread lich
255810 | Zig:18   | Killed a dread lich
255811 | Zig:18   | Noticed an ancient lich
255811 | Zig:18   | Noticed a dread lich
255811 | Zig:18   | Noticed a dread lich
255812 | Zig:18   | Killed a dread lich
255812 | Zig:18   | Killed an ancient lich
255812 | Zig:18   | Killed a dread lich
255812 | Zig:18   | Noticed an ancient lich
255812 | Zig:18   | Noticed a dread lich
255812 | Zig:18   | Noticed a dread lich
255812 | Zig:18   | Noticed a dread lich
255812 | Zig:18   | Noticed a dread lich
255813 | Zig:18   | Noticed a dread lich
255813 | Zig:18   | Noticed a dread lich
255813 | Zig:18   | Noticed an ancient lich
255813 | Zig:18   | Noticed an ancient lich
255813 | Zig:18   | Noticed an ancient lich
255814 | Zig:18   | Killed a dread lich
255814 | Zig:18   | Killed a dread lich
255814 | Zig:18   | Killed an ancient lich
255814 | Zig:18   | Killed a dread lich
255814 | Zig:18   | Killed a dread lich
255814 | Zig:18   | Killed an ancient lich
255814 | Zig:18   | Killed an ancient lich
255814 | Zig:18   | Killed an ancient lich
255814 | Zig:18   | Killed an ancient lich
255815 | Zig:18   | Noticed a dread lich
255815 | Zig:18   | Noticed a dread lich
255816 | Zig:18   | Killed a dread lich
255816 | Zig:18   | Killed a dread lich
255816 | Zig:18   | Killed a dread lich
255816 | Zig:18   | Killed a dread lich
255816 | Zig:18   | Killed a dread lich
255816 | Zig:18   | Noticed a dread lich
255816 | Zig:18   | Noticed an ancient lich
255817 | Zig:18   | Noticed a dread lich
255817 | Zig:18   | Noticed an ancient lich
255817 | Zig:18   | Noticed an ancient lich
255818 | Zig:18   | Killed a dread lich
255818 | Zig:18   | Killed a dread lich
255818 | Zig:18   | Killed a dread lich
255818 | Zig:18   | Killed an ancient lich
255819 | Zig:18   | Noticed an ancient lich
255819 | Zig:18   | Noticed a dread lich
255819 | Zig:18   | Noticed a dread lich
255820 | Zig:18   | Killed an ancient lich
255820 | Zig:18   | Killed an ancient lich
255820 | Zig:18   | Killed a dread lich
255820 | Zig:18   | Killed a dread lich
255820 | Zig:18   | Noticed a dread lich
255820 | Zig:18   | Noticed a dread lich
255820 | Zig:18   | Noticed an ancient lich
255822 | Zig:18   | Killed an ancient lich
255822 | Zig:18   | Killed a dread lich
255823 | Zig:18   | Killed an ancient lich
255825 | Zig:18   | Killed a dread lich
255825 | Zig:18   | Noticed a dread lich
255829 | Zig:18   | Killed a dread lich
255841 | Zig:18   | Identified the +4 arbalest "Ireag" {heavy, rC+ Dex+6}
255858 | Zig:18   | Identified the +1 ring mail of the Stone Wall {Int+4}
255861 | Zig:18   | Identified the +8 mace of Discord {flame, Fly Will+++ MP+9
                  | Str-5}
255867 | Zig:18   | Identified the staff of Courage {^Drain rElec rPois Int+4
                  | Stlth+ Air}
256226 | Zig:18   | Identified the amulet of Inla {Faith Str+8 Int+2}
256228 | Zig:18   | Identified the ring of Ruarid {rCorr Str+3}
256263 | Zig:18   | Identified the +8 battleaxe of Kenoe {freeze, +Blink rCorr
                  | Int-3 SInv}
256267 | Zig:18   | Identified the +6 longbow of Unpleasantness {heavy, +Blink
                  | rC+ Dex+3}
256285 | Zig:18   | Identified the +0 scale mail "Rutaveb" {rN+ Int+3}
256297 | Zig:19   | Entered Level 19 of a ziggurat
256297 | Zig:19   | Noticed an ancient lich
256297 | Zig:19   | Noticed a dread lich
256297 | Zig:19   | Noticed an ancient lich
256297 | Zig:19   | Noticed a dread lich
256297 | Zig:19   | Noticed a dread lich
256297 | Zig:19   | Noticed an ancient lich
256297 | Zig:19   | Noticed a dread lich
256297 | Zig:19   | Noticed a dread lich
256297 | Zig:19   | Noticed an ancient lich
256297 | Zig:19   | Noticed a dread lich
256297 | Zig:19   | Noticed a dread lich
256297 | Zig:19   | Noticed an ancient lich
256297 | Zig:19   | Noticed a dread lich
256297 | Zig:19   | Noticed an ancient lich
256297 | Zig:19   | Noticed an ancient lich
256297 | Zig:19   | Noticed an ancient lich
256297 | Zig:19   | Noticed a dread lich
256298 | Zig:19   | Killed an ancient lich
256298 | Zig:19   | Killed a dread lich
256298 | Zig:19   | Killed an ancient lich
256298 | Zig:19   | Killed an ancient lich
256299 | Zig:19   | Killed a dread lich
256299 | Zig:19   | Killed an ancient lich
256299 | Zig:19   | Killed a dread lich
256299 | Zig:19   | Killed a dread lich
256299 | Zig:19   | Killed an ancient lich
256299 | Zig:19   | Killed a dread lich
256299 | Zig:19   | Killed an ancient lich
256299 | Zig:19   | Killed a dread lich
256299 | Zig:19   | Killed a dread lich
256299 | Zig:19   | Killed an ancient lich
256299 | Zig:19   | Killed a dread lich
256299 | Zig:19   | Noticed a dread lich
256300 | Zig:19   | Killed an ancient lich
256300 | Zig:19   | Killed a dread lich
256300 | Zig:19   | Killed a dread lich
256302 | Zig:19   | Noticed an ancient lich
256302 | Zig:19   | Noticed an ancient lich
256302 | Zig:19   | Noticed a dread lich
256302 | Zig:19   | Noticed an ancient lich
256303 | Zig:19   | Killed a dread lich
256303 | Zig:19   | Noticed an ancient lich
256303 | Zig:19   | Killed an ancient lich
256303 | Zig:19   | Noticed an ancient lich
256304 | Zig:19   | Noticed an ancient lich
256304 | Zig:19   | Noticed an ancient lich
256305 | Zig:19   | Killed an ancient lich
256305 | Zig:19   | Killed an ancient lich
256305 | Zig:19   | Killed an ancient lich
256305 | Zig:19   | Killed an ancient lich
256305 | Zig:19   | Killed an ancient lich
256305 | Zig:19   | Noticed a dread lich
256305 | Zig:19   | Noticed a dread lich
256305 | Zig:19   | Noticed an ancient lich
256306 | Zig:19   | Killed a dread lich
256306 | Zig:19   | Killed an ancient lich
256307 | Zig:19   | Noticed a dread lich
256307 | Zig:19   | Noticed a dread lich
256307 | Zig:19   | Noticed a dread lich
256307 | Zig:19   | Noticed a dread lich
256307 | Zig:19   | Noticed an ancient lich
256307 | Zig:19   | Noticed an ancient lich
256307 | Zig:19   | Noticed a dread lich
256308 | Zig:19   | Killed an ancient lich
256308 | Zig:19   | Killed a dread lich
256308 | Zig:19   | Killed a dread lich
256308 | Zig:19   | Killed an ancient lich
256308 | Zig:19   | Killed a dread lich
256308 | Zig:19   | Killed a dread lich
256308 | Zig:19   | Killed a dread lich
256308 | Zig:19   | Killed a dread lich
256308 | Zig:19   | Noticed an ancient lich
256308 | Zig:19   | Noticed an ancient lich
256309 | Zig:19   | Killed an ancient lich
256309 | Zig:19   | Killed an ancient lich
256309 | Zig:19   | Killed an ancient lich
256309 | Zig:19   | Noticed an ancient lich
256309 | Zig:19   | Noticed a dread lich
256309 | Zig:19   | Noticed a dread lich
256310 | Zig:19   | Noticed a dread lich
256311 | Zig:19   | Noticed an ancient lich
256311 | Zig:19   | Noticed a dread lich
256311 | Zig:19   | Noticed a dread lich
256312 | Zig:19   | Noticed an ancient lich
256313 | Zig:19   | Killed an ancient lich
256313 | Zig:19   | Killed a dread lich
256313 | Zig:19   | Killed a dread lich
256313 | Zig:19   | Killed a dread lich
256313 | Zig:19   | Killed an ancient lich
256313 | Zig:19   | Killed an ancient lich
256313 | Zig:19   | Killed a dread lich
256314 | Zig:19   | Killed a dread lich
256314 | Zig:19   | Noticed an ancient lich
256314 | Zig:19   | Noticed an ancient lich
256314 | Zig:19   | Noticed an ancient lich
256315 | Zig:19   | Noticed a dread lich
256315 | Zig:19   | Noticed an ancient lich
256315 | Zig:19   | Noticed an ancient lich
256315 | Zig:19   | Noticed an ancient lich
256315 | Zig:19   | Noticed a dread lich
256316 | Zig:19   | Killed an ancient lich
256316 | Zig:19   | Killed an ancient lich
256316 | Zig:19   | Killed a dread lich
256316 | Zig:19   | Killed a dread lich
256316 | Zig:19   | Noticed a dread lich
256316 | Zig:19   | Noticed an ancient lich
256317 | Zig:19   | Killed an ancient lich
256317 | Zig:19   | Killed an ancient lich
256317 | Zig:19   | Killed an ancient lich
256317 | Zig:19   | Killed an ancient lich
256317 | Zig:19   | Killed an ancient lich
256318 | Zig:19   | Killed a dread lich
256318 | Zig:19   | Noticed an ancient lich
256319 | Zig:19   | Noticed a dread lich
256319 | Zig:19   | Noticed a dread lich
256319 | Zig:19   | Noticed an ancient lich
256320 | Zig:19   | Killed an ancient lich
256321 | Zig:19   | Killed an ancient lich
256321 | Zig:19   | Killed a dread lich
256321 | Zig:19   | Killed a dread lich
256321 | Zig:19   | Noticed an ancient lich
256322 | Zig:19   | Noticed a dread lich
256324 | Zig:19   | Killed an ancient lich
256324 | Zig:19   | Killed a dread lich
256324 | Zig:19   | Noticed a dread lich
256325 | Zig:19   | Noticed an ancient lich
256325 | Zig:19   | Noticed an ancient lich
256325 | Zig:19   | Noticed an ancient lich
256326 | Zig:19   | Killed a dread lich
256326 | Zig:19   | Killed an ancient lich
256327 | Zig:19   | Killed an ancient lich
256327 | Zig:19   | Killed an ancient lich
256373 | Zig:19   | Identified the +2 dagger "Luborgh" {flame, Dex+3 Stlth+}
256374 | Zig:19   | Identified the amulet "Raraxt" {Faith Str+5}
256384 | Zig:19   | Identified the amulet of Jibiakot {Reflect Str+2 SH+5}
256386 | Zig:19   | Identified the +4 scale mail "Qajarr Fioge" {Str+2 Stlth+}
256393 | Zig:19   | Identified the +0 chain mail of Courage {rElec rF+}
256399 | Zig:19   | Identified the staff of Cruel Justice {rElec SInv Fire Air}
256459 | Zig:19   | Identified the amulet "Cixtefip" {Reflect Harm rPois Int-2
                  | Dex+2 SH+5}
256490 | Zig:19   | Identified the staff of Integrity {Int+3 Conj}
256511 | Zig:19   | Identified the +3 short sword of Accord {flame, Stlth+}
256522 | Zig:19   | Identified the +6 hand cannon of Spring {drain, rN+ Str+2
                  | Dex-4}
256791 | Zig:20   | Entered Level 20 of a ziggurat
256791 | Zig:20   | Noticed a juggernaut
256791 | Zig:20   | Noticed a juggernaut
256791 | Zig:20   | Noticed a juggernaut
256791 | Zig:20   | Noticed a juggernaut
256791 | Zig:20   | Noticed a juggernaut
256791 | Zig:20   | Noticed a juggernaut
256791 | Zig:20   | Noticed a juggernaut
256791 | Zig:20   | Noticed a juggernaut
256792 | Zig:20   | Killed a juggernaut
256792 | Zig:20   | Noticed a juggernaut
256793 | Zig:20   | Killed a juggernaut
256793 | Zig:20   | Killed a juggernaut
256793 | Zig:20   | Killed a juggernaut
256793 | Zig:20   | Killed a juggernaut
256793 | Zig:20   | Killed a juggernaut
256793 | Zig:20   | Noticed a juggernaut
256794 | Zig:20   | Killed a juggernaut
256794 | Zig:20   | Killed a juggernaut
256794 | Zig:20   | Killed a juggernaut
256795 | Zig:20   | Noticed a juggernaut
256796 | Zig:20   | Noticed a juggernaut
256797 | Zig:20   | Noticed a juggernaut
256797 | Zig:20   | Killed a juggernaut
256797 | Zig:20   | Noticed a juggernaut
256797 | Zig:20   | Noticed a juggernaut
256798 | Zig:20   | Killed a juggernaut
256798 | Zig:20   | Noticed a juggernaut
256799 | Zig:20   | Noticed a juggernaut
256799 | Zig:20   | Noticed a juggernaut
256799 | Zig:20   | Noticed a juggernaut
256799 | Zig:20   | Killed a juggernaut
256800 | Zig:20   | Killed a juggernaut
256800 | Zig:20   | Killed a juggernaut
256800 | Zig:20   | Killed a juggernaut
256800 | Zig:20   | Noticed a juggernaut
256801 | Zig:20   | Killed a juggernaut
256801 | Zig:20   | Killed a juggernaut
256801 | Zig:20   | Killed a juggernaut
256801 | Zig:20   | Noticed a juggernaut
256801 | Zig:20   | Noticed a juggernaut
256801 | Zig:20   | Noticed a juggernaut
256802 | Zig:20   | Killed a juggernaut
256802 | Zig:20   | Killed a juggernaut
256802 | Zig:20   | Noticed a juggernaut
256803 | Zig:20   | Killed a juggernaut
256803 | Zig:20   | Killed a juggernaut
256803 | Zig:20   | Killed a juggernaut
256803 | Zig:20   | Killed a juggernaut
256803 | Zig:20   | Noticed a juggernaut
256804 | Zig:20   | Noticed a juggernaut
256805 | Zig:20   | Killed a juggernaut
256806 | Zig:20   | Killed a juggernaut
256807 | Zig:20   | Noticed a juggernaut
256808 | Zig:20   | Noticed a juggernaut
256808 | Zig:20   | Noticed a juggernaut
256808 | Zig:20   | Noticed a juggernaut
256809 | Zig:20   | Noticed a juggernaut
256810 | Zig:20   | Killed a juggernaut
256810 | Zig:20   | Killed a juggernaut
256810 | Zig:20   | Killed a juggernaut
256810 | Zig:20   | Noticed a juggernaut
256811 | Zig:20   | Killed a juggernaut
256811 | Zig:20   | Killed a juggernaut
256811 | Zig:20   | Noticed a juggernaut
256812 | Zig:20   | Noticed a juggernaut
256813 | Zig:20   | Noticed a juggernaut
256813 | Zig:20   | Noticed a juggernaut
256813 | Zig:20   | Noticed a juggernaut
256814 | Zig:20   | Noticed a juggernaut
256814 | Zig:20   | Killed a juggernaut
256814 | Zig:20   | Killed a juggernaut
256814 | Zig:20   | Killed a juggernaut
256814 | Zig:20   | Noticed a juggernaut
256815 | Zig:20   | Killed a juggernaut
256815 | Zig:20   | Killed a juggernaut
256815 | Zig:20   | Killed a juggernaut
256816 | Zig:20   | Noticed a juggernaut
256816 | Zig:20   | Noticed a juggernaut
256816 | Zig:20   | Noticed a juggernaut
256817 | Zig:20   | Noticed a juggernaut
256817 | Zig:20   | Killed a juggernaut
256817 | Zig:20   | Killed a juggernaut
256817 | Zig:20   | Killed a juggernaut
256817 | Zig:20   | Killed a juggernaut
256817 | Zig:20   | Noticed a juggernaut
256818 | Zig:20   | Noticed a juggernaut
256819 | Zig:20   | Killed a juggernaut
256819 | Zig:20   | Killed a juggernaut
256819 | Zig:20   | Killed a juggernaut
256819 | Zig:20   | Noticed a juggernaut
256820 | Zig:20   | Killed a juggernaut
256820 | Zig:20   | Killed a juggernaut
256822 | Zig:20   | Noticed a juggernaut
256822 | Zig:20   | Noticed a juggernaut
256826 | Zig:20   | Killed a juggernaut
256827 | Zig:20   | Killed a juggernaut
256839 | Zig:20   | Identified the +1 pair of boots of Grace {Dex+2}
256849 | Zig:20   | Identified the ring "Duoqaps" {rPois Will+ Int+4 SInv}
256890 | Zig:20   | Identified the amulet "Fusuh" {Reflect Harm SH+5}
256912 | Zig:20   | Identified the +5 plate armour of Joy {*Corrode rPois rC+
                  | rN++}
257209 | Zig:20   | Identified the +0 flail of Xaziaj {drain, Fly}
257233 | Zig:20   | Identified the amulet of Kuhucof {Spirit rCorr}
257247 | Zig:20   | Identified the +8 falchion of Destruction {freeze, *Slow
                  | rC+ Int+2}
257249 | Zig:20   | Identified the ring "Ligafeb" {Fire rElec}
257272 | Zig:20   | Identified the +1 short sword "Xeuddafy" {freeze, Dex+3}
257307 | Zig:20   | Identified the +9 orcbow of a Labyrinth {freeze, +Blink rN+
                  | Will+ Dex-3}
257322 | Zig:20   | Identified the amulet "Dajyh" {Faith Str+2}
257339 | Zig:20   | Identified the -1 buckler of Weak Music {rElec Str+2 SInv}
257351 | Zig:21   | Entered Level 21 of a ziggurat
257378 | Zig:21   | Noticed Konufuck the pandemonium lord
257384 | Zig:21   | Killed Konufuck the pandemonium lord
257426 | Zig:21   | Identified the +3 battleaxe of Precise Incision {spect,
                  | Str-3 Dex+8}
257439 | Zig:21   | Identified the +2 robe of Grot {rN+}
257466 | Zig:21   | Identified the +0 orcbow of Calculation {drain, Str-2
                  | Int+6}
257481 | Zig:21   | Identified the +1 fire dragon scales of the Garden {rF++
                  | rC- Stlth+}
257513 | Zig:21   | Identified the amulet of Sialuiq {Acrobat Slay+2}
257515 | Zig:21   | Identified the staff of the Rescuing Gods {rF+ rN+ Necro}
257523 | Zig:21   | Identified the +9 arbalest of Xeumn {heavy, rC+ rN++ Will-}
257529 | Zig:21   | Identified the ring of Seoc {rF++ rCorr Int-3 SInv}
257531 | Zig:21   | Identified the +8 shortbow of Datupt {speed, rElec rPois
                  | Str+3}
257543 | Zig:21   | Identified the +8 long sword "Edinn" {vamp, rCorr Int+2
                  | Stlth+}
257549 | Zig:21   | Identified the +4 falchion of Sequestration {freeze, Fly}
257582 | Zig:21   | Identified the ring of Efevog {rPois rN+}
257975 | Zig:22   | Entered Level 22 of a ziggurat
258015 | Zig:22   | Identified the staff of Ypseeg {rElec rN+ Will- Str+5 Conj
                  | Air}
258026 | Zig:22   | Identified the +5 hand axe of Red Wine {freeze, rF+}
258050 | Zig:22   | Identified the +1 tower shield of Hyacvyv {Harm +Blink
                  | rElec Stlth+}
258477 | Zig:22   | Identified the +8 falchion "Heka" {speed, rF++ rN+ Str+3
                  | Dex+3}
258480 | Zig:22   | Identified the +4 plate armour of Patience {rElec Dex+2}
258491 | Zig:22   | Identified the +5 bardiche "Rummage" {drain, rF+ Int+3
                  | Dex+3}
258556 | Zig:22   | Identified the staff of a Hundred Wishes {rC+ Dex+5 Ice}
258559 | Zig:22   | Identified the +3 flail "Qiogisan" {elec, rF- Int+4}
258560 | Zig:22   | Identified the +9 broad axe of the Hawk {heavy, Int+3}
258576 | Zig:23   | Entered Level 23 of a ziggurat
258616 | Zig:23   | Identified the +5 plate armour of a Labyrinth {Rampage
                  | *Corrode Slay+6 Stlth-}
258645 | Zig:23   | Identified the +2 pair of gloves of Good Intentions {rCorr
                  | Dex+2}
258647 | Zig:23   | Identified the ring of Nadiah {rF- rN+ rCorr Stlth+}
258651 | Zig:23   | Identified the +10 plate armour of Xyirixt {rPois rC+}
258652 | Zig:23   | Identified the +1 long sword "Heqizek" {protect, rN+ Str+3}
258655 | Zig:23   | Identified the +4 sling "Wempinac" {heavy, rF+}
258656 | Zig:23   | Identified the staff of the Lurker {Dex+3 Stlth+ Earth}
258716 | Zig:23   | Identified the amulet "Vamnio" {Faith Harm Rampage}
258719 | Zig:23   | Identified the +5 arbalest of Untimely Demise {elec, Str+2}
258721 | Zig:23   | Identified the amulet "Hizoop" {Spirit rF+}
258736 | Zig:23   | Identified the +0 mace "Feikeuq" {freeze, rPois rC+ rCorr}
258744 | Zig:23   | Identified the +2 halberd of the Baking Madman {flame, rF++
                  | Dex+4}
259242 | Zig:24   | Entered Level 24 of a ziggurat
259277 | Zig:24   | Identified the +0 ring mail of Vanity {rPois rC- Will+++
                  | Dex-2}
259306 | Zig:24   | Identified the +7 flail of the Narrow God {drain, rF+ Int+3
                  | Dex+3}
259312 | Zig:24   | Identified the staff of the Boiling Point {rPois rF+ Str-4
                  | Fire Ice}
259678 | Zig:24   | Identified the staff of Conscience {^Drain +Blink rElec
                  | rC++ Stlth+ Air}
259715 | Zig:24   | Identified the +6 war axe of Sekh {freeze, Str+4 Dex+4
                  | Stlth-}
259717 | Zig:24   | Identified the +1 flail of Contradiction {pain, *Noise
                  | rCorr Str-3 Dex+7}
259724 | Zig:24   | Identified the ring of Kitha {AC+4 Int+8}
259732 | Zig:24   | Identified the +4 spear of Ambiguity {heavy, Int+6}
259741 | Zig:24   | Identified the +7 falchion "Ysan" {freeze, rElec rC+}
259796 | Zig:24   | Identified the +7 sling "Noeghil" {antimagic, rF+ Int+4}
259834 | Zig:24   | Identified the +8 mace "Xacvutz" {protect, MP+9 Str-5 SInv}
259855 | Zig:24   | Identified the +2 pair of boots "Ejul Pef" {rC+ Int+2}
259881 | Zig:25   | Entered Level 25 of a ziggurat
259881 | Zig:25   | Noticed a dread lich
259881 | Zig:25   | Noticed a dread lich
259881 | Zig:25   | Noticed a dread lich
259881 | Zig:25   | Noticed a dread lich
259881 | Zig:25   | Noticed an ancient lich
259881 | Zig:25   | Noticed a dread lich
259881 | Zig:25   | Noticed an ancient lich
259881 | Zig:25   | Noticed an ancient lich
259881 | Zig:25   | Noticed an ancient lich
259881 | Zig:25   | Noticed a dread lich
259881 | Zig:25   | Noticed a dread lich
259881 | Zig:25   | Noticed a dread lich
259881 | Zig:25   | Noticed a dread lich
259881 | Zig:25   | Noticed a dread lich
259881 | Zig:25   | Noticed an ancient lich
259881 | Zig:25   | Noticed an ancient lich
259881 | Zig:25   | Noticed an ancient lich
259881 | Zig:25   | Noticed an ancient lich
259881 | Zig:25   | Noticed a dread lich
259881 | Zig:25   | Noticed an ancient lich
259881 | Zig:25   | Noticed a dread lich
259882 | Zig:25   | Killed a dread lich
259882 | Zig:25   | Killed an ancient lich
259882 | Zig:25   | Killed an ancient lich
259882 | Zig:25   | Killed an ancient lich
259882 | Zig:25   | Killed a dread lich
259882 | Zig:25   | Killed a dread lich
259882 | Zig:25   | Killed a dread lich
259882 | Zig:25   | Killed an ancient lich
259882 | Zig:25   | Killed a dread lich
259882 | Zig:25   | Killed a dread lich
259882 | Zig:25   | Killed a dread lich
259884 | Zig:25   | Noticed a dread lich
259884 | Zig:25   | Noticed an ancient lich
259884 | Zig:25   | Noticed an ancient lich
259884 | Zig:25   | Noticed a dread lich
259884 | Zig:25   | Noticed an ancient lich
259885 | Zig:25   | Killed a dread lich
259885 | Zig:25   | Killed an ancient lich
259885 | Zig:25   | Killed a dread lich
259885 | Zig:25   | Killed an ancient lich
259885 | Zig:25   | Killed a dread lich
259885 | Zig:25   | Killed an ancient lich
259885 | Zig:25   | Killed an ancient lich
259885 | Zig:25   | Killed an ancient lich
259885 | Zig:25   | Killed a dread lich
259885 | Zig:25   | Killed a dread lich
259886 | Zig:25   | Noticed an ancient lich
259886 | Zig:25   | Noticed an ancient lich
259886 | Zig:25   | Noticed an ancient lich
259886 | Zig:25   | Noticed a dread lich
259886 | Zig:25   | Noticed a dread lich
259887 | Zig:25   | Noticed a dread lich
259887 | Zig:25   | Noticed a dread lich
259887 | Zig:25   | Noticed an ancient lich
259887 | Zig:25   | Killed an ancient lich
259887 | Zig:25   | Killed a dread lich
259887 | Zig:25   | Killed an ancient lich
259887 | Zig:25   | Killed an ancient lich
259887 | Zig:25   | Killed an ancient lich
259887 | Zig:25   | Killed an ancient lich
259887 | Zig:25   | Killed a dread lich
259887 | Zig:25   | Killed a dread lich
259887 | Zig:25   | Killed a dread lich
259887 | Zig:25   | Killed an ancient lich
259887 | Zig:25   | Noticed a dread lich
259887 | Zig:25   | Noticed a dread lich
259887 | Zig:25   | Noticed a dread lich
259887 | Zig:25   | Noticed an ancient lich
259888 | Zig:25   | Killed an ancient lich
259888 | Zig:25   | Killed a dread lich
259888 | Zig:25   | Killed a dread lich
259888 | Zig:25   | Killed a dread lich
259889 | Zig:25   | Killed a dread lich
259889 | Zig:25   | Killed a dread lich
259889 | Zig:25   | Killed an ancient lich
259889 | Zig:25   | Noticed an ancient lich
259889 | Zig:25   | Noticed an ancient lich
259889 | Zig:25   | Noticed a dread lich
259889 | Zig:25   | Noticed a dread lich
259890 | Zig:25   | Noticed a dread lich
259890 | Zig:25   | Noticed a dread lich
259890 | Zig:25   | Noticed an ancient lich
259890 | Zig:25   | Noticed an ancient lich
259890 | Zig:25   | Noticed an ancient lich
259891 | Zig:25   | Noticed a dread lich
259891 | Zig:25   | Killed a dread lich
259891 | Zig:25   | Killed a dread lich
259891 | Zig:25   | Killed an ancient lich
259891 | Zig:25   | Killed an ancient lich
259891 | Zig:25   | Killed a dread lich
259892 | Zig:25   | Killed a dread lich
259892 | Zig:25   | Killed an ancient lich
259892 | Zig:25   | Killed an ancient lich
259892 | Zig:25   | Killed an ancient lich
259892 | Zig:25   | Noticed a dread lich
259893 | Zig:25   | Noticed a dread lich
259893 | Zig:25   | Noticed a dread lich
259893 | Zig:25   | Noticed an ancient lich
259893 | Zig:25   | Noticed an ancient lich
259893 | Zig:25   | Noticed an ancient lich
259893 | Zig:25   | Noticed a dread lich
259893 | Zig:25   | Noticed a dread lich
259894 | Zig:25   | Noticed an ancient lich
259894 | Zig:25   | Killed a dread lich
259894 | Zig:25   | Killed an ancient lich
259894 | Zig:25   | Killed an ancient lich
259894 | Zig:25   | Killed a dread lich
259894 | Zig:25   | Killed a dread lich
259894 | Zig:25   | Killed a dread lich
259894 | Zig:25   | Killed a dread lich
259895 | Zig:25   | Noticed a dread lich
259895 | Zig:25   | Noticed an ancient lich
259895 | Zig:25   | Noticed an ancient lich
259895 | Zig:25   | Noticed a dread lich
259896 | Zig:25   | Noticed a dread lich
259896 | Zig:25   | Killed a dread lich
259896 | Zig:25   | Killed an ancient lich
259896 | Zig:25   | Killed an ancient lich
259896 | Zig:25   | Killed an ancient lich
259896 | Zig:25   | Killed a dread lich
259896 | Zig:25   | Noticed a dread lich
259897 | Zig:25   | Noticed an ancient lich
259897 | Zig:25   | Noticed a dread lich
259897 | Zig:25   | Noticed a dread lich
259898 | Zig:25   | Killed a dread lich
259898 | Zig:25   | Killed a dread lich
259898 | Zig:25   | Killed a dread lich
259898 | Zig:25   | Killed an ancient lich
259898 | Zig:25   | Killed a dread lich
259898 | Zig:25   | Noticed an ancient lich
259898 | Zig:25   | Noticed a dread lich
259898 | Zig:25   | Noticed a dread lich
259898 | Zig:25   | Noticed an ancient lich
259898 | Zig:25   | Noticed a dread lich
259899 | Zig:25   | Noticed a dread lich
259899 | Zig:25   | Noticed a dread lich
259899 | Zig:25   | Noticed an ancient lich
259899 | Zig:25   | Killed an ancient lich
259899 | Zig:25   | Noticed a dread lich
259900 | Zig:25   | Killed a dread lich
259900 | Zig:25   | Killed an ancient lich
259900 | Zig:25   | Killed a dread lich
259900 | Zig:25   | Killed a dread lich
259901 | Zig:25   | Noticed a dread lich
259901 | Zig:25   | Noticed an ancient lich
259901 | Zig:25   | Noticed a dread lich
259902 | Zig:25   | Killed a dread lich
259902 | Zig:25   | Killed a dread lich
259902 | Zig:25   | Killed an ancient lich
259902 | Zig:25   | Killed a dread lich
259902 | Zig:25   | Killed an ancient lich
259902 | Zig:25   | Noticed a dread lich
259902 | Zig:25   | Noticed an ancient lich
259903 | Zig:25   | Killed a dread lich
259903 | Zig:25   | Killed an ancient lich
259903 | Zig:25   | Killed an ancient lich
259903 | Zig:25   | Killed a dread lich
259903 | Zig:25   | Killed a dread lich
259904 | Zig:25   | Noticed a dread lich
259904 | Zig:25   | Noticed an ancient lich
259904 | Zig:25   | Noticed an ancient lich
259904 | Zig:25   | Noticed a dread lich
259904 | Zig:25   | Noticed a dread lich
259905 | Zig:25   | Noticed an ancient lich
259905 | Zig:25   | Noticed a dread lich
259905 | Zig:25   | Killed a dread lich
259905 | Zig:25   | Killed a dread lich
259906 | Zig:25   | Noticed a dread lich
259906 | Zig:25   | Noticed an ancient lich
259906 | Zig:25   | Noticed an ancient lich
259906 | Zig:25   | Noticed an ancient lich
259906 | Zig:25   | Noticed an ancient lich
259907 | Zig:25   | Killed a dread lich
259907 | Zig:25   | Killed an ancient lich
259907 | Zig:25   | Killed an ancient lich
259907 | Zig:25   | Killed a dread lich
259907 | Zig:25   | Killed an ancient lich
259907 | Zig:25   | Killed a dread lich
259907 | Zig:25   | Killed a dread lich
259907 | Zig:25   | Noticed an ancient lich
259908 | Zig:25   | Noticed an ancient lich
259908 | Zig:25   | Noticed an ancient lich
259908 | Zig:25   | Killed an ancient lich
259909 | Zig:25   | Killed an ancient lich
259909 | Zig:25   | Killed an ancient lich
259910 | Zig:25   | Noticed an ancient lich
259910 | Zig:25   | Noticed a dread lich
259910 | Zig:25   | Noticed a dread lich
259910 | Zig:25   | Noticed a dread lich
259911 | Zig:25   | Noticed a dread lich
259911 | Zig:25   | Killed an ancient lich
259911 | Zig:25   | Killed an ancient lich
259911 | Zig:25   | Killed an ancient lich
259911 | Zig:25   | Killed a dread lich
259911 | Zig:25   | Killed an ancient lich
259911 | Zig:25   | Noticed an ancient lich
259911 | Zig:25   | Killed a dread lich
259912 | Zig:25   | Noticed an ancient lich
259912 | Zig:25   | Noticed a dread lich
259913 | Zig:25   | Killed a dread lich
259913 | Zig:25   | Killed a dread lich
259913 | Zig:25   | Killed an ancient lich
259913 | Zig:25   | Killed an ancient lich
259913 | Zig:25   | Killed an ancient lich
259913 | Zig:25   | Killed a dread lich
259915 | Zig:25   | Killed a dread lich
259964 | Zig:25   | Identified the +1 pair of boots of Jeom {rC- Str+4 Int+3}
259967 | Zig:25   | Identified the staff of the Hidden Vale {*Corrode rF+ rN+
                  | Will+ Fire}
259972 | Zig:25   | Identified the ring of Tyilica {rC+ rCorr MP-9 Int+6}
259976 | Zig:25   | Identified the +5 flail "Onwota" {venom, rF+ Dex+2}
259980 | Zig:25   | Identified the +0 war axe of Mouwn {flame, rPois rF+ Str+4}
259989 | Zig:25   | Identified the staff "Siegih" {rElec Dex+4 Air}
259990 | Zig:25   | Identified the +1 sling "Bicaklo" {antimagic, ^Drain rPois
                  | rF+}
259995 | Zig:25   | Identified the +1 plate armour of Nuiwn {Will+ Regen+ rCorr
                  | Dex-5}
260030 | Zig:25   | Identified the staff of Bante {rElec rF+ Will+ Dex-5 Fire}
260041 | Zig:25   | Identified the ring "Famaverr" {*Slow Will+ Str+4 Int+6}
260147 | Zig:25   | Identified the +0 spear "Tuishom" {venom, Dex+8}
260509 | Zig:25   | Identified the staff of the Wraith {rF+ rC++ Earth Alchemy}
260529 | Zig:25   | Identified the +11 short sword "Imofufir" {heavy, *Noise
                  | rElec rC+++ Str+3}
260541 | Zig:25   | Identified the +6 scale mail of the Vacuum {Harm rPois
                  | rCorr Dex+2}
260545 | Zig:25   | Identified the ring "Diryufuc" {*Slow AC+4 Int+5 Dex+3
                  | SInv}
260587 | Zig:26   | Entered Level 26 of a ziggurat
260631 | Zig:26   | Identified the amulet "Put-Me-On" {Spirit rPois rN+ SInv}
260662 | Zig:26   | Identified the +2 pair of gloves of the Candlemaker {rElec
                  | rN+ Dex+2}
260664 | Zig:26   | Identified the +1 robe of Vexation {Rampage rElec Dex-2}
260671 | Zig:26   | Identified the ring "Gadurhuj" {rF+ Will- Slay+4 SInv
                  | Stlth+}
260677 | Zig:26   | Identified the +4 great sword "Liag" {pain, rPois Int-4
                  | Dex+3 SInv}
261016 | Zig:26   | Identified the +4 dagger "Nium" {vamp, SInv}
261018 | Zig:26   | Identified the +7 plate armour "Yzemon" {Regen+}
261047 | Zig:26   | Identified the ring of the Nine Hurling Coins {Ice ^Drain
                  | rPois rN+++ Will-}
261053 | Zig:26   | Identified the staff "Puylaufe" {rPois rC+ Str-3 Stlth+
                  | Tloc Ice}
261071 | Zig:26   | Identified the ring "Ygegamud" {rC+ Will+ Str+3}
261075 | Zig:26   | Identified the +7 flail of Floods {vamp, rF+ Dex+3}
261097 | Zig:26   | Identified the +3 quarterstaff of Zobun {elec, rC+ rN+}
261104 | Zig:26   | Identified the +0 robe of Pan-Flutes {Fly rPois Str-2
                  | Int+4}
261183 | Zig:26   | Identified the ring of the Giraffatuar {Fire rElec MP+9
                  | Slay+3}
261194 | Zig:26   | Identified the +2 quick blade of Ohuntuu {freeze, Dex+3}
261251 | Zig:27   | Entered Level 27 of a ziggurat
261251 | Zig:27   | Noticed a juggernaut
261251 | Zig:27   | Noticed a juggernaut
261251 | Zig:27   | Noticed a juggernaut
261251 | Zig:27   | Noticed a juggernaut
261251 | Zig:27   | Noticed a juggernaut
261251 | Zig:27   | Noticed a juggernaut
261251 | Zig:27   | Noticed a juggernaut
261251 | Zig:27   | Noticed a juggernaut
261251 | Zig:27   | Noticed a juggernaut
261251 | Zig:27   | Noticed a juggernaut
261251 | Zig:27   | Noticed a juggernaut
261251 | Zig:27   | Noticed a juggernaut
261251 | Zig:27   | Noticed a juggernaut
261251 | Zig:27   | Noticed a juggernaut
261251 | Zig:27   | Noticed a juggernaut
261252 | Zig:27   | Killed a juggernaut
261252 | Zig:27   | Killed a juggernaut
261252 | Zig:27   | Killed a juggernaut
261252 | Zig:27   | Killed a juggernaut
261252 | Zig:27   | Killed a juggernaut
261252 | Zig:27   | Killed a juggernaut
261252 | Zig:27   | Killed a juggernaut
261252 | Zig:27   | Killed a juggernaut
261252 | Zig:27   | Killed a juggernaut
261252 | Zig:27   | Killed a juggernaut
261252 | Zig:27   | Killed a juggernaut
261252 | Zig:27   | Killed a juggernaut
261252 | Zig:27   | Killed a juggernaut
261253 | Zig:27   | Noticed a juggernaut
261253 | Zig:27   | Noticed a juggernaut
261253 | Zig:27   | Noticed a juggernaut
261253 | Zig:27   | Noticed a juggernaut
261253 | Zig:27   | Noticed a juggernaut
261254 | Zig:27   | Noticed a juggernaut
261255 | Zig:27   | Killed a juggernaut
261255 | Zig:27   | Killed a juggernaut
261255 | Zig:27   | Killed a juggernaut
261255 | Zig:27   | Killed a juggernaut
261255 | Zig:27   | Noticed a juggernaut
261255 | Zig:27   | Noticed a juggernaut
261255 | Zig:27   | Noticed a juggernaut
261255 | Zig:27   | Killed a juggernaut
261256 | Zig:27   | Noticed a juggernaut
261256 | Zig:27   | Noticed a juggernaut
261257 | Zig:27   | Killed a juggernaut
261257 | Zig:27   | Noticed a juggernaut
261257 | Zig:27   | Noticed a juggernaut
261257 | Zig:27   | Noticed a juggernaut
261258 | Zig:27   | Noticed a juggernaut
261258 | Zig:27   | Noticed a juggernaut
261258 | Zig:27   | Killed a juggernaut
261259 | Zig:27   | Noticed a juggernaut
261259 | Zig:27   | Killed a juggernaut
261259 | Zig:27   | Killed a juggernaut
261259 | Zig:27   | Killed a juggernaut
261259 | Zig:27   | Killed a juggernaut
261259 | Zig:27   | Killed a juggernaut
261259 | Zig:27   | Killed a juggernaut
261260 | Zig:27   | Noticed a juggernaut
261260 | Zig:27   | Noticed a juggernaut
261261 | Zig:27   | Killed a juggernaut
261261 | Zig:27   | Killed a juggernaut
261261 | Zig:27   | Killed a juggernaut
261261 | Zig:27   | Noticed a juggernaut
261261 | Zig:27   | Killed a juggernaut
261262 | Zig:27   | Noticed a juggernaut
261262 | Zig:27   | Noticed a juggernaut
261263 | Zig:27   | Noticed a juggernaut
261263 | Zig:27   | Killed a juggernaut
261263 | Zig:27   | Killed a juggernaut
261263 | Zig:27   | Killed a juggernaut
261263 | Zig:27   | Killed a juggernaut
261263 | Zig:27   | Noticed a juggernaut
261263 | Zig:27   | Noticed a juggernaut
261263 | Zig:27   | Killed a juggernaut
261264 | Zig:27   | Noticed a juggernaut
261264 | Zig:27   | Noticed a juggernaut
261264 | Zig:27   | Noticed a juggernaut
261265 | Zig:27   | Noticed a juggernaut
261265 | Zig:27   | Killed a juggernaut
261265 | Zig:27   | Killed a juggernaut
261265 | Zig:27   | Killed a juggernaut
261265 | Zig:27   | Killed a juggernaut
261265 | Zig:27   | Killed a juggernaut
261266 | Zig:27   | Noticed a juggernaut
261266 | Zig:27   | Noticed a juggernaut
261267 | Zig:27   | Killed a juggernaut
261267 | Zig:27   | Killed a juggernaut
261267 | Zig:27   | Killed a juggernaut
261267 | Zig:27   | Killed a juggernaut
261267 | Zig:27   | Noticed a juggernaut
261267 | Zig:27   | Noticed a juggernaut
261268 | Zig:27   | Noticed a juggernaut
261268 | Zig:27   | Noticed a juggernaut
261268 | Zig:27   | Noticed a juggernaut
261268 | Zig:27   | Noticed a juggernaut
261268 | Zig:27   | Noticed a juggernaut
261269 | Zig:27   | Noticed a juggernaut
261269 | Zig:27   | Killed a juggernaut
261269 | Zig:27   | Killed a juggernaut
261269 | Zig:27   | Noticed a juggernaut
261271 | Zig:27   | Killed a juggernaut
261271 | Zig:27   | Killed a juggernaut
261271 | Zig:27   | Killed a juggernaut
261272 | Zig:27   | Noticed a juggernaut
261272 | Zig:27   | Noticed a juggernaut
261273 | Zig:27   | Killed a juggernaut
261273 | Zig:27   | Killed a juggernaut
261273 | Zig:27   | Killed a juggernaut
261273 | Zig:27   | Killed a juggernaut
261273 | Zig:27   | Killed a juggernaut
261273 | Zig:27   | Killed a juggernaut
261273 | Zig:27   | Noticed a juggernaut
261273 | Zig:27   | Noticed a juggernaut
261274 | Zig:27   | Noticed a juggernaut
261274 | Zig:27   | Noticed a juggernaut
261274 | Zig:27   | Noticed a juggernaut
261274 | Zig:27   | Noticed a juggernaut
261275 | Zig:27   | Killed a juggernaut
261277 | Zig:27   | Killed a juggernaut
261277 | Zig:27   | Killed a juggernaut
261277 | Zig:27   | Killed a juggernaut
261277 | Zig:27   | Killed a juggernaut
261277 | Zig:27   | Killed a juggernaut
261277 | Zig:27   | Killed a juggernaut
261279 | Zig:27   | Killed a juggernaut
261286 | Zig:27   | Identified the +6 eudemon blade of the Heavens {holy, rElec
                  | rF+ Stlth+}
261335 | Zig:27   | Identified the staff of Yredelemnul's Favour {rF+ rC+ MP+9
                  | Dex-4 Fire}
261341 | Zig:27   | Identified the +6 dire flail "Cookie Cutter" {freeze, rC+
                  | Will+ Str+3 Stlth+}
261343 | Zig:27   | Identified the +0 crystal plate armour of the Gusle {rCorr
                  | Str+2}
261345 | Zig:27   | Identified the ring "Oskoa" {rF++ rC+ Str-3 Dex+6}
261356 | Zig:27   | Identified the +8 mace of the Fray {venom, rPois rN+}
261373 | Zig:27   | Identified the +2 pair of boots of the Sun {rF+ Slay+2}
261378 | Zig:27   | Identified the +0 spear of Kiwouw {freeze, rElec rF+
                  | Stlth+}
261451 | Zig:27   | Identified the +7 flail of Greed {freeze, ^Drain rElec
                  | Dex+3}
261453 | Zig:27   | Identified the +2 pair of gloves of Keopn {rPois}
261455 | Zig:27   | Identified the +0 shortbow of Uskayaw's Hope {flame, rPois
                  | Dex+5}
261457 | Zig:27   | Identified the +4 mace of Vaucwid {drain, *Slow Will+ Str+2
                  | Int+2}
261467 | Zig:27   | Identified the +0 lajatang of Blood-Lust {heavy, rElec
                  | Will+++ Str+2 Int+3}
261470 | Zig:27   | Identified the +7 flail of Dovutisuus {holy, rN+ Str+3
                  | Int+2}
261471 | Zig:27   | Identified the +6 morningstar of Cumnisem {freeze, *Rage
                  | rC+ Will+ MP+9}
261482 | Zig:27   | Identified the ring "Ekisirou" {rN+ Will+ Stlth+}
261496 | Zig:27   | Identified the +0 plate armour of Atwawnya {rPois Will+++
                  | rCorr Int-4}
261504 | Zig:27   | Identified the ring "Exabrade" {Fire Will+ Dex+6}
261515 | Zig:27   | Identified the +7 chain mail of Ucsyap {Harm Dex+2 Stlth-}
261527 | Zig:27   | Identified the +3 flail of Springtime {drain, Dex+5}
261955 | Zig:27   | Identified the ring of Zoerchiewk {Wiz rElec rF- rC+ Dex+4}
261964 | Zig:27   | Identified the staff "Bootwu" {rPois Str+4 Tloc Alchemy}
261992 | Depths:3 | Acquired 1290 gold pieces
261993 | Depths:3 | Acquired 378 gold pieces
261994 | Depths:3 | Acquired the +2 pair of gloves of the Game of Kings {Str+3
                  | Int+7 Dex-3}
261995 | Depths:3 | Acquired 777 gold pieces
261996 | Depths:3 | Acquired 844 gold pieces
262005 | Zig:1    | Entered Level 1 of a ziggurat
262067 | Zig:2    | Entered Level 2 of a ziggurat
262229 | Zig:2    | Identified the amulet "Udwitecy" {Acrobat Harm Rampage
                  | ^Drain}
262243 | Zig:3    | Entered Level 3 of a ziggurat
262311 | Zig:3    | Identified the +6 whip of Division {freeze, rElec rPois
                  | Str-5}
262312 | Zig:3    | Identified the ring of Exomogat {rN+ Will+ Str-2 Int+2}
262314 | Zig:3    | Identified the ring "Appifoyddo" {rPois rN+ Str-3 Int+6
                  | Stlth+}
262431 | Zig:3    | Identified the +2 pair of gloves of the Lotus Blossom {rF+
                  | Stlth+}
262441 | Zig:4    | Entered Level 4 of a ziggurat
262631 | Zig:4    | Identified the +10 halberd "Qerisil" {chaos, rN+}
262639 | Zig:4    | Identified the +5 mace of Cobwebs {elec, Str+3}
262656 | Zig:5    | Entered Level 5 of a ziggurat
262780 | Zig:5    | Identified the +8 broad axe "Lorem Ipsum" {freeze, *Rage
                  | rElec rC+ Str+3}
262904 | Zig:6    | Entered Level 6 of a ziggurat
263116 | Zig:6    | Identified the +6 orcbow of Okiro {flame, rC- Int+6}
263122 | Zig:6    | Identified the +0 robe "Ymuf" {rElec rPois Str+5 Dex-5}
263126 | Zig:6    | Identified the +1 leather armour of the Elven Halls
                  | {Rampage Fly Str-5 Int+4}
263154 | Zig:7    | Entered Level 7 of a ziggurat
263200 | Zig:7    | Identified the +12 dagger of the Lesser Evil {venom, rF+
                  | Int+4}
263207 | Zig:7    | Identified the amulet "Plog" {Spirit Rampage rElec rN+
                  | Will++}
263228 | Zig:7    | Identified the +1 flail of Voos Dax {freeze, rElec}
263436 | Zig:8    | Entered Level 8 of a ziggurat
263439 | Zig:8    | Noticed a dread lich
263442 | Zig:8    | Killed a dread lich
263750 | Zig:8    | Identified the +2 shortbow of the Salmon {freeze, rCorr
                  | SInv}
263763 | Zig:8    | Identified the +0 great mace of Etsi Jonk {holy, rC+ rCorr
                  | Dex+2}
263764 | Zig:8    | Identified the +6 great mace "Lyl Yhipp" {drain, Str+4}
263765 | Zig:8    | Identified the +2 scimitar "Cour" {vamp, *Corrode rPois rC+
                  | Int+2}
263772 | Zig:8    | Identified the +6 trident of Duty {speed, rElec rC+}
263794 | Zig:8    | Identified the staff "Conservator" {rElec Str+3 Air}
263811 | Zig:9    | Entered Level 9 of a ziggurat
263826 | Zig:9    | Noticed Luko the pandemonium lord
263833 | Zig:9    | Killed Luko the pandemonium lord
263867 | Zig:9    | Identified the +0 sling "Watyas" {drain, ^Fragile rElec
                  | MP+9 Int+2}
263875 | Zig:9    | Identified the staff of Onix {rPois rCorr MP+9 Summ
                  | Alchemy}
263877 | Zig:9    | Identified the +3 dagger "Teru" {flame, *Slow rC++ rN++}
263878 | Zig:9    | Identified the scarf "Vosa" {+Inv, Rampage rF+ Str+3 Dex-3}
263881 | Zig:9    | Identified the +1 leather armour "Taow" {rC- rN+ Int+4}
263883 | Zig:9    | Identified the +2 shortbow "Thing" {flame, rN++ Str-5 SInv}
264170 | Zig:10   | Entered Level 10 of a ziggurat
264170 | Zig:10   | Noticed a seraph
264170 | Zig:10   | Noticed a seraph
264170 | Zig:10   | Noticed a seraph
264170 | Zig:10   | Noticed a seraph
264170 | Zig:10   | Noticed a seraph
264170 | Zig:10   | Noticed a seraph
264170 | Zig:10   | Noticed a seraph
264173 | Zig:10   | Noticed a seraph
264173 | Zig:10   | Noticed a seraph
264174 | Zig:10   | Killed a seraph
264174 | Zig:10   | Killed a seraph
264174 | Zig:10   | Killed a seraph
264175 | Zig:10   | Killed a seraph
264176 | Zig:10   | Killed a seraph
264176 | Zig:10   | Killed a seraph
264177 | Zig:10   | Killed a seraph
264177 | Zig:10   | Killed a seraph
264177 | Zig:10   | Killed a seraph
264178 | Zig:10   | Noticed a seraph
264180 | Zig:10   | Noticed a seraph
264181 | Zig:10   | Noticed a seraph
264181 | Zig:10   | Noticed a seraph
264182 | Zig:10   | Killed a seraph
264182 | Zig:10   | Noticed a seraph
264182 | Zig:10   | Identified the +0 tower shield "Remianij" {rPois}
264183 | Zig:10   | Killed a seraph
264185 | Zig:10   | Killed a seraph
264185 | Zig:10   | Killed a seraph
264185 | Zig:10   | Killed a seraph
264187 | Zig:10   | Killed a seraph
264189 | Zig:10   | Noticed a seraph
264192 | Zig:10   | Killed a seraph
264192 | Zig:10   | Noticed a seraph
264193 | Zig:10   | Noticed a seraph
264194 | Zig:10   | Killed a seraph
264197 | Zig:10   | Killed a seraph
264198 | Zig:10   | Identified the +0 tower shield of Weightlessness {Str-2
                  | Dex+9}
264202 | Zig:10   | Identified the +8 tower shield of the Arcane {Slay+2}
264484 | Zig:10   | Identified the +1 ring mail of the Mind {+Blink rElec rC+
                  | Int+5}
264488 | Zig:10   | Identified the staff of Cuhaovos {Stlth+ Conj Summ}
264545 | Zig:11   | Entered Level 11 of a ziggurat
264554 | Zig:11   | Noticed a dread lich
264557 | Zig:11   | Killed a dread lich
264623 | Zig:11   | Identified the +1 war axe "Noex Ago" {antimagic, *Rage rN+
                  | Dex+2 SInv}
264630 | Zig:11   | Identified the staff of Cyockif {rPois Str+3 SInv Air
                  | Alchemy}
264997 | Zig:12   | Entered Level 12 of a ziggurat
265020 | Zig:12   | Noticed Pifaos the pandemonium lord
265021 | Zig:12   | Killed Pifaos the pandemonium lord
265388 | Zig:12   | Identified the staff of Interdependent Arising {^Drain rC+
                  | SInv Hexes Ice Earth}
265394 | Zig:12   | Identified the staff of the Changing Tiger {rN+ Necro Ice}
265399 | Zig:12   | Identified the ring "Sacvij" {Fire rElec Will+ Dex+2}
265402 | Zig:12   | Identified the +0 falchion of Paiseuk {freeze, rElec rCorr
                  | Str+4 Dex-4}
265456 | Zig:13   | Entered Level 13 of a ziggurat
265512 | Zig:13   | Identified the +0 scale mail of Inquiry {Str+3}
265943 | Zig:14   | Entered Level 14 of a ziggurat
266009 | Zig:14   | Identified the +0 mace of Callousness {elec, SInv}
266010 | Zig:14   | Identified the staff of Inquiry {rElec SInv Stlth+ Ice Air}
266017 | Zig:14   | Identified the +3 eudemon blade of Leocewn {holy, Stlth+}
266023 | Zig:14   | Identified the amulet "Tiepteqi" {-Cast Harm rPois rF-
                  | Regen+}
266037 | Zig:14   | Identified the +0 pair of gloves of Nuxkeh {*Corrode Fly
                  | rC+ Int+4}
266039 | Zig:14   | Identified the +6 great mace of Otzeadum {venom, rF+}
266059 | Zig:14   | Identified the staff of Saltpetre {rN+ Will+ Necro Fire}
266062 | Zig:14   | Identified the +8 sling "Fymneoxaick" {heavy, rF+}
266068 | Zig:14   | Identified the staff of Noxieche {rPois rC- Str+6 SInv
                  | Conj}
266537 | Zig:15   | Entered Level 15 of a ziggurat
266598 | Zig:15   | Identified the +7 chain mail of Sihygym {Dex+3}
266605 | Zig:15   | Identified the +3 ring mail "Heshecarayl" {Will+ Int+6}
266624 | Zig:15   | Identified the +1 buckler of Past Mistakes {rF++ Dex+4 SInv
                  | Stlth+}
266632 | Zig:15   | Identified the +6 trident "Qekhlush" {heavy, ^Fragile
                  | Int+5}
267197 | Zig:16   | Entered Level 16 of a ziggurat
267705 | Zig:16   | Identified the +9 plate armour "Durucwyih" {Harm rC+ Str+4
                  | Int-4}
267708 | Zig:16   | Identified the +3 leather armour "Riapinlu" {Rampage
                  | *Corrode Dex+6 Stlth-}
267784 | Zig:16   | Identified the +1 ice dragon scales of Magic {rElec rF-
                  | rC++ Str+3 Dex+3}
267792 | Zig:16   | Identified the +1 flail of Classification {flame, rElec rC-
                  | rCorr SInv}
267793 | Zig:16   | Identified the +5 long sword of Fee Simple {flame, rC+}
267818 | Zig:16   | Identified the +3 great sword of Xom's Righteous Anger
                  | {venom, *Rage rPois rN+++ Str+2}
267877 | Zig:17   | Entered Level 17 of a ziggurat
268051 | Zig:17   | Identified the staff of Domination {^Drain rElec rF+ rC+
                  | Hexes Fire}
268501 | Zig:17   | Identified the ring "Woen" {Str+3 Slay+4}
268516 | Zig:18   | Entered Level 18 of a ziggurat
268516 | Zig:18   | Noticed an ancient lich
268516 | Zig:18   | Noticed an ancient lich
268516 | Zig:18   | Noticed a dread lich
268516 | Zig:18   | Noticed a dread lich
268516 | Zig:18   | Noticed an ancient lich
268516 | Zig:18   | Noticed a dread lich
268516 | Zig:18   | Noticed a dread lich
268516 | Zig:18   | Noticed a dread lich
268516 | Zig:18   | Noticed an ancient lich
268516 | Zig:18   | Noticed a dread lich
268516 | Zig:18   | Noticed a dread lich
268516 | Zig:18   | Noticed a dread lich
268516 | Zig:18   | Noticed an ancient lich
268516 | Zig:18   | Noticed a dread lich
268516 | Zig:18   | Noticed an ancient lich
268516 | Zig:18   | Noticed a dread lich
268516 | Zig:18   | Noticed an ancient lich
268516 | Zig:18   | Noticed a dread lich
268516 | Zig:18   | Noticed a dread lich
268517 | Zig:18   | Killed a dread lich
268517 | Zig:18   | Killed a dread lich
268517 | Zig:18   | Killed a dread lich
268517 | Zig:18   | Killed an ancient lich
268517 | Zig:18   | Killed a dread lich
268517 | Zig:18   | Killed a dread lich
268518 | Zig:18   | Killed an ancient lich
268518 | Zig:18   | Killed an ancient lich
268518 | Zig:18   | Killed a dread lich
268518 | Zig:18   | Killed a dread lich
268518 | Zig:18   | Killed a dread lich
268518 | Zig:18   | Killed a dread lich
268518 | Zig:18   | Killed a dread lich
268518 | Zig:18   | Killed an ancient lich
268518 | Zig:18   | Killed an ancient lich
268518 | Zig:18   | Killed an ancient lich
268518 | Zig:18   | Killed a dread lich
268518 | Zig:18   | Noticed a dread lich
268518 | Zig:18   | Noticed an ancient lich
268519 | Zig:18   | Killed a dread lich
268519 | Zig:18   | Killed a dread lich
268519 | Zig:18   | Killed an ancient lich
268519 | Zig:18   | Killed an ancient lich
268520 | Zig:18   | Noticed an ancient lich
268521 | Zig:18   | Killed an ancient lich
268521 | Zig:18   | Noticed a dread lich
268523 | Zig:18   | Noticed an ancient lich
268524 | Zig:18   | Noticed a dread lich
268524 | Zig:18   | Noticed an ancient lich
268524 | Zig:18   | Noticed a dread lich
268525 | Zig:18   | Noticed an ancient lich
268525 | Zig:18   | Killed a dread lich
268525 | Zig:18   | Killed an ancient lich
268525 | Zig:18   | Killed an ancient lich
268525 | Zig:18   | Killed a dread lich
268526 | Zig:18   | Noticed an ancient lich
268526 | Zig:18   | Noticed a dread lich
268526 | Zig:18   | Noticed an ancient lich
268527 | Zig:18   | Noticed a dread lich
268527 | Zig:18   | Killed an ancient lich
268527 | Zig:18   | Noticed an ancient lich
268528 | Zig:18   | Noticed an ancient lich
268528 | Zig:18   | Noticed an ancient lich
268528 | Zig:18   | Noticed a dread lich
268528 | Zig:18   | Noticed a dread lich
268528 | Zig:18   | Noticed a dread lich
268528 | Zig:18   | Killed a dread lich
268529 | Zig:18   | Killed a dread lich
268529 | Zig:18   | Killed a dread lich
268529 | Zig:18   | Killed an ancient lich
268529 | Zig:18   | Killed a dread lich
268529 | Zig:18   | Killed an ancient lich
268530 | Zig:18   | Noticed an ancient lich
268530 | Zig:18   | Noticed an ancient lich
268530 | Zig:18   | Noticed an ancient lich
268530 | Zig:18   | Noticed an ancient lich
268530 | Zig:18   | Noticed a dread lich
268530 | Zig:18   | Noticed an ancient lich
268532 | Zig:18   | Killed an ancient lich
268532 | Zig:18   | Killed an ancient lich
268532 | Zig:18   | Killed an ancient lich
268532 | Zig:18   | Killed a dread lich
268532 | Zig:18   | Killed an ancient lich
268532 | Zig:18   | Killed a dread lich
268532 | Zig:18   | Killed a dread lich
268532 | Zig:18   | Noticed a dread lich
268532 | Zig:18   | Noticed a dread lich
268532 | Zig:18   | Noticed an ancient lich
268532 | Zig:18   | Noticed an ancient lich
268533 | Zig:18   | Noticed an ancient lich
268533 | Zig:18   | Noticed a dread lich
268533 | Zig:18   | Noticed an ancient lich
268533 | Zig:18   | Noticed a dread lich
268533 | Zig:18   | Noticed an ancient lich
268533 | Zig:18   | Noticed an ancient lich
268533 | Zig:18   | Noticed a dread lich
268533 | Zig:18   | Noticed an ancient lich
268534 | Zig:18   | Noticed a dread lich
268534 | Zig:18   | Noticed a dread lich
268534 | Zig:18   | Killed an ancient lich
268534 | Zig:18   | Killed an ancient lich
268534 | Zig:18   | Killed an ancient lich
268534 | Zig:18   | Killed an ancient lich
268534 | Zig:18   | Killed an ancient lich
268534 | Zig:18   | Killed an ancient lich
268534 | Zig:18   | Killed a dread lich
268534 | Zig:18   | Killed an ancient lich
268534 | Zig:18   | Killed an ancient lich
268534 | Zig:18   | Killed a dread lich
268534 | Zig:18   | Killed an ancient lich
268534 | Zig:18   | Killed a dread lich
268534 | Zig:18   | Noticed an ancient lich
268534 | Zig:18   | Killed an ancient lich
268534 | Zig:18   | Noticed a dread lich
268534 | Zig:18   | Killed a dread lich
268535 | Zig:18   | Noticed an ancient lich
268535 | Zig:18   | Noticed a dread lich
268535 | Zig:18   | Noticed a dread lich
268535 | Zig:18   | Noticed a dread lich
268535 | Zig:18   | Noticed a dread lich
268535 | Zig:18   | Killed a dread lich
268536 | Zig:18   | Killed a dread lich
268536 | Zig:18   | Killed a dread lich
268536 | Zig:18   | Killed a dread lich
268536 | Zig:18   | Killed an ancient lich
268536 | Zig:18   | Killed an ancient lich
268536 | Zig:18   | Noticed an ancient lich
268536 | Zig:18   | Noticed an ancient lich
268536 | Zig:18   | Noticed an ancient lich
268536 | Zig:18   | Noticed an ancient lich
268536 | Zig:18   | Noticed a dread lich
268536 | Zig:18   | Noticed an ancient lich
268537 | Zig:18   | Noticed an ancient lich
268537 | Zig:18   | Noticed a dread lich
268537 | Zig:18   | Noticed an ancient lich
268537 | Zig:18   | Noticed an ancient lich
268538 | Zig:18   | Killed a dread lich
268538 | Zig:18   | Killed an ancient lich
268538 | Zig:18   | Killed an ancient lich
268538 | Zig:18   | Killed a dread lich
268538 | Zig:18   | Killed an ancient lich
268538 | Zig:18   | Killed an ancient lich
268538 | Zig:18   | Killed an ancient lich
268538 | Zig:18   | Killed an ancient lich
268538 | Zig:18   | Killed a dread lich
268538 | Zig:18   | Killed a dread lich
268538 | Zig:18   | Killed an ancient lich
268538 | Zig:18   | Killed a dread lich
268539 | Zig:18   | Noticed an ancient lich
268539 | Zig:18   | Noticed an ancient lich
268539 | Zig:18   | Noticed a dread lich
268539 | Zig:18   | Noticed a dread lich
268539 | Zig:18   | Noticed an ancient lich
268539 | Zig:18   | Noticed a dread lich
268539 | Zig:18   | Killed a dread lich
268540 | Zig:18   | Killed an ancient lich
268540 | Zig:18   | Killed an ancient lich
268540 | Zig:18   | Killed a dread lich
268540 | Zig:18   | Killed an ancient lich
268540 | Zig:18   | Noticed a dread lich
268540 | Zig:18   | Noticed a dread lich
268542 | Zig:18   | Killed an ancient lich
268542 | Zig:18   | Killed a dread lich
268542 | Zig:18   | Killed an ancient lich
268542 | Zig:18   | Killed a dread lich
268542 | Zig:18   | Killed a dread lich
268542 | Zig:18   | Noticed an ancient lich
268543 | Zig:18   | Noticed an ancient lich
268543 | Zig:18   | Noticed an ancient lich
268543 | Zig:18   | Noticed an ancient lich
268543 | Zig:18   | Noticed a dread lich
268544 | Zig:18   | Killed a dread lich
268544 | Zig:18   | Killed an ancient lich
268544 | Zig:18   | Killed an ancient lich
268544 | Zig:18   | Noticed a dread lich
268545 | Zig:18   | Noticed a dread lich
268545 | Zig:18   | Noticed an ancient lich
268546 | Zig:18   | Noticed a dread lich
268546 | Zig:18   | Killed an ancient lich
268546 | Zig:18   | Killed a dread lich
268546 | Zig:18   | Killed a dread lich
268546 | Zig:18   | Killed an ancient lich
268546 | Zig:18   | Killed a dread lich
268546 | Zig:18   | Killed a dread lich
268547 | Zig:18   | Noticed an ancient lich
268547 | Zig:18   | Noticed a dread lich
268547 | Zig:18   | Noticed a dread lich
268548 | Zig:18   | Noticed a dread lich
268548 | Zig:18   | Noticed a dread lich
268548 | Zig:18   | Killed an ancient lich
268548 | Zig:18   | Killed a dread lich
268548 | Zig:18   | Killed an ancient lich
268548 | Zig:18   | Killed a dread lich
268548 | Zig:18   | Killed a dread lich
268549 | Zig:18   | Killed a dread lich
268551 | Zig:18   | Noticed a dread lich
268552 | Zig:18   | Noticed an ancient lich
268553 | Zig:18   | Noticed a dread lich
268554 | Zig:18   | Killed a dread lich
268554 | Zig:18   | Killed an ancient lich
268554 | Zig:18   | Noticed a dread lich
268556 | Zig:18   | Killed a dread lich
268556 | Zig:18   | Killed a dread lich
268557 | Zig:18   | Noticed an ancient lich
268560 | Zig:18   | Killed an ancient lich
268571 | Zig:18   | Identified the +6 scimitar of the Salmon {freeze, rElec
                  | Dex+3}
268573 | Zig:18   | Identified the ring of the Magpie {Str+6 Dex+3}
268632 | Zig:18   | Identified the +1 mace of Iskochet {heavy, rCorr}
268644 | Zig:18   | Identified the +3 trident of the Gibberer {speed, Fly rElec
                  | Int-2 Dex+4}
269149 | Zig:18   | Identified the +7 orcbow of Destiny {freeze, rElec rCorr
                  | Str+8}
269165 | Zig:18   | Identified the ring of the Crown {Fire *Slow Str+7 Int-3
                  | Dex+3}
269176 | Zig:18   | Identified the +4 ring mail "Xepy" {Dex+3}
269183 | Zig:18   | Identified the +6 long sword of Higruz {heavy, rF+ rC+ rN+
                  | Int-5}
269190 | Zig:18   | Identified the ring "Retir" {rF+ rC+ rN+ SInv}
269202 | Zig:18   | Identified the +4 chain mail of Burnt Contentment {rPois
                  | rC- Will++}
269210 | Zig:18   | Identified the +3 rapier of the Howling Firefly {drain,
                  | rElec rN+ Str-5 SInv}
269217 | Zig:18   | Identified the +3 battleaxe "Siskocw" {freeze, rElec rPois
                  | rN+ Will+ Dex-2}
269218 | Zig:18   | Identified the +7 plate armour "Hitroaze" {Harm Int+6}
269227 | Zig:18   | Identified the +5 orcbow of Disaster {drain, Str+6 Dex+2}
269288 | Zig:19   | Entered Level 19 of a ziggurat
269376 | Zig:19   | Identified the +5 dagger "Seeclago" {speed, ^Drain Dex+5}
269378 | Zig:19   | Identified the staff "Giziu" {rF+ rC- Int+5 Fire}
269392 | Zig:19   | Identified the +4 morningstar of Corporal Punishment
                  | {flame, rElec Int+2}
269401 | Zig:19   | Identified the +4 scimitar of Chance {heavy, rPois rC+ rN+
                  | Dex+2}
269407 | Zig:19   | Identified the +1 plate armour of the Unseen Realm {Harm
                  | Str-4 Int-4 Dex+9}
269417 | Zig:19   | Identified the +8 eudemon blade "Jaugauw" {holy, *Rage rC+
                  | Str+4 Stlth+}
269419 | Zig:19   | Identified the staff "Ivishemo" {rPois rC+ rN+ Will+ Ice}
269421 | Zig:19   | Identified the staff of Rauw {rC+ Int-5 Dex+8 Ice}
269455 | Zig:19   | Identified the +0 plate armour of Subjectivity {Regen+
                  | Str+5 Slay+5 Stlth-}
269475 | Zig:19   | Identified the +5 rapier "Utuy" {speed, rPois Dex+3}
269476 | Zig:19   | Identified the +5 great sword of Ynirua {venom, *Noise rC++
                  | Will+ Str+3}
269481 | Zig:19   | Identified the staff "Vabaj" {SInv Earth}
270225 | Zig:20   | Entered Level 20 of a ziggurat
270225 | Zig:20   | Noticed a juggernaut
270225 | Zig:20   | Noticed a juggernaut
270225 | Zig:20   | Noticed a juggernaut
270225 | Zig:20   | Noticed a juggernaut
270225 | Zig:20   | Noticed a juggernaut
270225 | Zig:20   | Noticed a juggernaut
270225 | Zig:20   | Noticed a juggernaut
270225 | Zig:20   | Noticed a juggernaut
270225 | Zig:20   | Noticed a juggernaut
270225 | Zig:20   | Noticed a juggernaut
270225 | Zig:20   | Noticed a juggernaut
270225 | Zig:20   | Noticed a juggernaut
270225 | Zig:20   | Noticed a juggernaut
270226 | Zig:20   | Killed a juggernaut
270226 | Zig:20   | Killed a juggernaut
270226 | Zig:20   | Killed a juggernaut
270226 | Zig:20   | Killed a juggernaut
270227 | Zig:20   | Killed a juggernaut
270227 | Zig:20   | Killed a juggernaut
270227 | Zig:20   | Killed a juggernaut
270227 | Zig:20   | Killed a juggernaut
270227 | Zig:20   | Killed a juggernaut
270227 | Zig:20   | Killed a juggernaut
270227 | Zig:20   | Noticed a juggernaut
270228 | Zig:20   | Noticed a juggernaut
270228 | Zig:20   | Noticed a juggernaut
270228 | Zig:20   | Noticed a juggernaut
270229 | Zig:20   | Killed a juggernaut
270229 | Zig:20   | Killed a juggernaut
270229 | Zig:20   | Killed a juggernaut
270229 | Zig:20   | Noticed a juggernaut
270230 | Zig:20   | Noticed a juggernaut
270230 | Zig:20   | Noticed a juggernaut
270230 | Zig:20   | Noticed a juggernaut
270231 | Zig:20   | Killed a juggernaut
270231 | Zig:20   | Killed a juggernaut
270231 | Zig:20   | Killed a juggernaut
270231 | Zig:20   | Noticed a juggernaut
270232 | Zig:20   | Killed a juggernaut
270233 | Zig:20   | Noticed a juggernaut
270233 | Zig:20   | Noticed a juggernaut
270234 | Zig:20   | Noticed a juggernaut
270234 | Zig:20   | Noticed a juggernaut
270235 | Zig:20   | Killed a juggernaut
270235 | Zig:20   | Killed a juggernaut
270235 | Zig:20   | Killed a juggernaut
270235 | Zig:20   | Noticed a juggernaut
270235 | Zig:20   | Noticed a juggernaut
270235 | Zig:20   | Killed a juggernaut
270236 | Zig:20   | Noticed a juggernaut
270237 | Zig:20   | Noticed a juggernaut
270237 | Zig:20   | Killed a juggernaut
270237 | Zig:20   | Killed a juggernaut
270237 | Zig:20   | Killed a juggernaut
270237 | Zig:20   | Noticed a juggernaut
270237 | Zig:20   | Noticed a juggernaut
270238 | Zig:20   | Noticed a juggernaut
270238 | Zig:20   | Noticed a juggernaut
270238 | Zig:20   | Noticed a juggernaut
270239 | Zig:20   | Killed a juggernaut
270239 | Zig:20   | Killed a juggernaut
270239 | Zig:20   | Killed a juggernaut
270239 | Zig:20   | Killed a juggernaut
270239 | Zig:20   | Killed a juggernaut
270239 | Zig:20   | Killed a juggernaut
270239 | Zig:20   | Killed a juggernaut
270239 | Zig:20   | Noticed a juggernaut
270239 | Zig:20   | Killed a juggernaut
270240 | Zig:20   | Noticed a juggernaut
270240 | Zig:20   | Noticed a juggernaut
270240 | Zig:20   | Noticed a juggernaut
270241 | Zig:20   | Killed a juggernaut
270241 | Zig:20   | Killed a juggernaut
270241 | Zig:20   | Noticed a juggernaut
270241 | Zig:20   | Noticed a juggernaut
270242 | Zig:20   | Noticed a juggernaut
270242 | Zig:20   | Noticed a juggernaut
270243 | Zig:20   | Killed a juggernaut
270243 | Zig:20   | Killed a juggernaut
270243 | Zig:20   | Killed a juggernaut
270243 | Zig:20   | Killed a juggernaut
270244 | Zig:20   | Killed a juggernaut
270245 | Zig:20   | Noticed a juggernaut
270245 | Zig:20   | Noticed a juggernaut
270245 | Zig:20   | Killed a juggernaut
270245 | Zig:20   | Killed a juggernaut
270245 | Zig:20   | Killed a juggernaut
270245 | Zig:20   | Killed a juggernaut
270245 | Zig:20   | Noticed a juggernaut
270246 | Zig:20   | Killed a juggernaut
270247 | Zig:20   | Killed a juggernaut
270247 | Zig:20   | Noticed a juggernaut
270248 | Zig:20   | Noticed a juggernaut
270249 | Zig:20   | Killed a juggernaut
270250 | Zig:20   | Noticed a juggernaut
270251 | Zig:20   | Killed a juggernaut
270252 | Zig:20   | Noticed a juggernaut
270252 | Zig:20   | Noticed a juggernaut
270253 | Zig:20   | Killed a juggernaut
270253 | Zig:20   | Noticed a juggernaut
270253 | Zig:20   | Noticed a juggernaut
270254 | Zig:20   | Noticed a juggernaut
270255 | Zig:20   | Killed a juggernaut
270255 | Zig:20   | Killed a juggernaut
270255 | Zig:20   | Killed a juggernaut
270255 | Zig:20   | Noticed a juggernaut
270255 | Zig:20   | Noticed a juggernaut
270256 | Zig:20   | Noticed a juggernaut
270257 | Zig:20   | Killed a juggernaut
270257 | Zig:20   | Killed a juggernaut
270257 | Zig:20   | Killed a juggernaut
270257 | Zig:20   | Noticed a juggernaut
270259 | Zig:20   | Killed a juggernaut
270259 | Zig:20   | Killed a juggernaut
270259 | Zig:20   | Killed a juggernaut
270260 | Zig:20   | Noticed a juggernaut
270260 | Zig:20   | Noticed a juggernaut
270261 | Zig:20   | Killed a juggernaut
270261 | Zig:20   | Noticed a juggernaut
270263 | Zig:20   | Killed a juggernaut
270265 | Zig:20   | Killed a juggernaut
270265 | Zig:20   | Killed a juggernaut
270299 | Zig:20   | Identified the +0 plate armour of Cowardice {Harm rN+
                  | Dex+2}
270310 | Zig:20   | Identified the staff of Mana {rC+ Str+9 Ice}
270953 | Zig:20   | Identified the +1 robe of Ysosolax {Will+ Str+2 SInv}
270979 | Zig:20   | Identified the +3 plate armour of Twilight {Harm Rampage
                  | Will+}
270987 | Zig:20   | Identified the +0 buckler of the Snake Pit {Harm rF- Int+4}
270995 | Zig:20   | Identified the +2 plate armour of Reason {Fly rElec rPois
                  | Dex+3}
270997 | Zig:20   | Identified the +8 halberd "Feotsit" {flame, rPois Str+6
                  | Dex+3}
271001 | Zig:20   | Identified the ring "Murr" {rN+ Will+}
271024 | Zig:20   | Identified the +5 hand axe "Masch" {freeze, Int+3}
271026 | Zig:20   | Identified the staff "Animnoad" {Int+2 Conj}
271035 | Zig:20   | Identified the +6 halberd "Tatoen" {flame, rElec rC+ Int-4
                  | SInv}
271040 | Zig:20   | Identified the staff "Grim Tooth" {rPois rF+ Str+2 Alchemy}
271049 | Zig:20   | Identified the +2 chain mail of Dishonesty {Rampage}
271077 | Zig:20   | Identified the +6 morningstar "Ziawalat" {pain, Fly rN+
                  | Int-4 Dex+2}
271079 | Zig:20   | Identified the +0 eudemon blade "Ykiusest" {holy, rF+
                  | Dex+3}
271101 | Zig:21   | Entered Level 21 of a ziggurat
271194 | Zig:21   | Identified the staff "Jusma" {rPois rF+ Int+2 Earth}
271220 | Zig:21   | Identified the +0 scale mail "Fitz" {Str+3 Dex+2}
271222 | Zig:21   | Identified the +6 hand axe of Matz {freeze, *Rage rC+
                  | Will++ Stlth+}
271223 | Zig:21   | Identified the +0 robe of Mypn {rC+}
271226 | Zig:21   | Identified the ring "Aplyigom" {rPois EV+5 Slay+3}
271244 | Zig:21   | Identified the +6 sling of the Trees {flame, rElec rF+ rC+
                  | rCorr}
271254 | Zig:21   | Identified the +3 buckler of Ferocious Knowledge {rF+ rCorr
                  | MP+9 Str+4}
271266 | Zig:21   | Identified the staff of an ice cave {+Blink rF+ Will+ Fire}
271270 | Zig:21   | Identified the staff of Disarray {rElec rN+++ Will- Int+3
                  | Conj}
271290 | Zig:21   | Identified the +2 lajatang "Jellybane" {heavy, Str+3 Dex+3}
271310 | Zig:21   | Identified the +4 broad axe of Wounding {antimagic, *Noise
                  | Str+2 Int+2}
271320 | Zig:21   | Identified the +10 long sword of the Throat {venom,
                  | *Corrode rC+ Int+2}
271879 | Zig:22   | Entered Level 22 of a ziggurat
271879 | Zig:22   | Noticed a dread lich
271879 | Zig:22   | Noticed a dread lich
271879 | Zig:22   | Noticed an ancient lich
271879 | Zig:22   | Noticed an ancient lich
271879 | Zig:22   | Noticed an ancient lich
271879 | Zig:22   | Noticed a dread lich
271879 | Zig:22   | Noticed an ancient lich
271879 | Zig:22   | Noticed a dread lich
271879 | Zig:22   | Noticed an ancient lich
271879 | Zig:22   | Noticed a dread lich
271879 | Zig:22   | Noticed an ancient lich
271879 | Zig:22   | Noticed a dread lich
271879 | Zig:22   | Noticed a dread lich
271879 | Zig:22   | Noticed an ancient lich
271880 | Zig:22   | Killed an ancient lich
271880 | Zig:22   | Killed a dread lich
271880 | Zig:22   | Killed a dread lich
271880 | Zig:22   | Killed an ancient lich
271880 | Zig:22   | Killed a dread lich
271881 | Zig:22   | Killed an ancient lich
271881 | Zig:22   | Killed a dread lich
271881 | Zig:22   | Killed an ancient lich
271881 | Zig:22   | Killed an ancient lich
271881 | Zig:22   | Killed a dread lich
271881 | Zig:22   | Killed an ancient lich
271881 | Zig:22   | Killed an ancient lich
271881 | Zig:22   | Killed a dread lich
271881 | Zig:22   | Killed a dread lich
271881 | Zig:22   | Noticed an ancient lich
271881 | Zig:22   | Noticed an ancient lich
271881 | Zig:22   | Noticed a dread lich
271883 | Zig:22   | Killed an ancient lich
271883 | Zig:22   | Killed an ancient lich
271883 | Zig:22   | Killed a dread lich
271884 | Zig:22   | Noticed a dread lich
271884 | Zig:22   | Noticed a dread lich
271884 | Zig:22   | Noticed an ancient lich
271884 | Zig:22   | Noticed an ancient lich
271884 | Zig:22   | Noticed a dread lich
271885 | Zig:22   | Noticed an ancient lich
271885 | Zig:22   | Killed an ancient lich
271885 | Zig:22   | Killed a dread lich
271885 | Zig:22   | Killed an ancient lich
271885 | Zig:22   | Killed a dread lich
271885 | Zig:22   | Killed an ancient lich
271886 | Zig:22   | Killed a dread lich
271886 | Zig:22   | Killed a dread lich
271887 | Zig:22   | Noticed a dread lich
271887 | Zig:22   | Noticed an ancient lich
271888 | Zig:22   | Killed an ancient lich
271889 | Zig:22   | Killed a dread lich
271889 | Zig:22   | Noticed an ancient lich
271889 | Zig:22   | Noticed an ancient lich
271889 | Zig:22   | Noticed an ancient lich
271890 | Zig:22   | Noticed an ancient lich
271890 | Zig:22   | Noticed a dread lich
271890 | Zig:22   | Noticed a dread lich
271890 | Zig:22   | Noticed a dread lich
271890 | Zig:22   | Noticed an ancient lich
271890 | Zig:22   | Noticed a dread lich
271891 | Zig:22   | Killed an ancient lich
271891 | Zig:22   | Killed a dread lich
271891 | Zig:22   | Killed an ancient lich
271891 | Zig:22   | Killed a dread lich
271891 | Zig:22   | Killed a dread lich
271892 | Zig:22   | Killed an ancient lich
271892 | Zig:22   | Killed an ancient lich
271892 | Zig:22   | Killed a dread lich
271892 | Zig:22   | Noticed a dread lich
271892 | Zig:22   | Noticed a dread lich
271892 | Zig:22   | Noticed an ancient lich
271893 | Zig:22   | Noticed an ancient lich
271893 | Zig:22   | Noticed an ancient lich
271893 | Zig:22   | Noticed a dread lich
271893 | Zig:22   | Noticed a dread lich
271894 | Zig:22   | Noticed a dread lich
271894 | Zig:22   | Killed an ancient lich
271894 | Zig:22   | Killed a dread lich
271894 | Zig:22   | Killed an ancient lich
271894 | Zig:22   | Killed a dread lich
271895 | Zig:22   | Killed an ancient lich
271895 | Zig:22   | Killed a dread lich
271895 | Zig:22   | Killed a dread lich
271895 | Zig:22   | Killed an ancient lich
271895 | Zig:22   | Killed a dread lich
271895 | Zig:22   | Noticed an ancient lich
271895 | Zig:22   | Noticed an ancient lich
271896 | Zig:22   | Noticed a dread lich
271896 | Zig:22   | Noticed an ancient lich
271896 | Zig:22   | Noticed a dread lich
271896 | Zig:22   | Noticed a dread lich
271896 | Zig:22   | Noticed a dread lich
271897 | Zig:22   | Noticed an ancient lich
271897 | Zig:22   | Killed an ancient lich
271897 | Zig:22   | Killed a dread lich
271897 | Zig:22   | Killed an ancient lich
271898 | Zig:22   | Killed an ancient lich
271898 | Zig:22   | Killed a dread lich
271898 | Zig:22   | Killed a dread lich
271898 | Zig:22   | Killed an ancient lich
271899 | Zig:22   | Noticed a dread lich
271899 | Zig:22   | Noticed a dread lich
271899 | Zig:22   | Noticed an ancient lich
271899 | Zig:22   | Noticed an ancient lich
271899 | Zig:22   | Noticed a dread lich
271899 | Zig:22   | Noticed an ancient lich
271899 | Zig:22   | Noticed an ancient lich
271900 | Zig:22   | Noticed an ancient lich
271900 | Zig:22   | Killed a dread lich
271900 | Zig:22   | Killed a dread lich
271900 | Zig:22   | Killed a dread lich
271900 | Zig:22   | Killed an ancient lich
271900 | Zig:22   | Killed an ancient lich
271900 | Zig:22   | Killed an ancient lich
271901 | Zig:22   | Killed a dread lich
271901 | Zig:22   | Killed an ancient lich
271901 | Zig:22   | Killed an ancient lich
271901 | Zig:22   | Noticed a dread lich
271901 | Zig:22   | Noticed a dread lich
271902 | Zig:22   | Noticed an ancient lich
271902 | Zig:22   | Noticed an ancient lich
271902 | Zig:22   | Noticed an ancient lich
271902 | Zig:22   | Noticed a dread lich
271903 | Zig:22   | Noticed an ancient lich
271903 | Zig:22   | Killed a dread lich
271903 | Zig:22   | Killed an ancient lich
271904 | Zig:22   | Killed an ancient lich
271904 | Zig:22   | Killed a dread lich
271904 | Zig:22   | Killed an ancient lich
271904 | Zig:22   | Killed an ancient lich
271904 | Zig:22   | Noticed an ancient lich
271904 | Zig:22   | Noticed a dread lich
271904 | Zig:22   | Noticed an ancient lich
271904 | Zig:22   | Noticed an ancient lich
271905 | Zig:22   | Noticed an ancient lich
271905 | Zig:22   | Noticed a dread lich
271905 | Zig:22   | Noticed a dread lich
271905 | Zig:22   | Noticed a dread lich
271905 | Zig:22   | Noticed a dread lich
271906 | Zig:22   | Noticed a dread lich
271906 | Zig:22   | Killed an ancient lich
271906 | Zig:22   | Killed an ancient lich
271906 | Zig:22   | Killed an ancient lich
271906 | Zig:22   | Killed a dread lich
271907 | Zig:22   | Killed a dread lich
271907 | Zig:22   | Killed a dread lich
271907 | Zig:22   | Killed a dread lich
271907 | Zig:22   | Killed a dread lich
271907 | Zig:22   | Killed an ancient lich
271907 | Zig:22   | Noticed a dread lich
271907 | Zig:22   | Noticed a dread lich
271907 | Zig:22   | Noticed a dread lich
271907 | Zig:22   | Noticed an ancient lich
271908 | Zig:22   | Noticed an ancient lich
271908 | Zig:22   | Noticed a dread lich
271909 | Zig:22   | Killed a dread lich
271909 | Zig:22   | Killed a dread lich
271909 | Zig:22   | Noticed a dread lich
271909 | Zig:22   | Killed a dread lich
271909 | Zig:22   | Noticed a dread lich
271910 | Zig:22   | Noticed a dread lich
271910 | Zig:22   | Killed a dread lich
271910 | Zig:22   | Killed an ancient lich
271910 | Zig:22   | Killed a dread lich
271910 | Zig:22   | Killed an ancient lich
271910 | Zig:22   | Killed a dread lich
271910 | Zig:22   | Killed a dread lich
271910 | Zig:22   | Noticed an ancient lich
271910 | Zig:22   | Noticed an ancient lich
271910 | Zig:22   | Noticed an ancient lich
271911 | Zig:22   | Noticed a dread lich
271911 | Zig:22   | Noticed an ancient lich
271911 | Zig:22   | Noticed a dread lich
271911 | Zig:22   | Noticed a dread lich
271911 | Zig:22   | Killed a dread lich
271912 | Zig:22   | Killed an ancient lich
271912 | Zig:22   | Killed a dread lich
271912 | Zig:22   | Killed an ancient lich
271912 | Zig:22   | Noticed a dread lich
271912 | Zig:22   | Noticed a dread lich
271912 | Zig:22   | Killed a dread lich
271912 | Zig:22   | Killed a dread lich
271913 | Zig:22   | Killed an ancient lich
271913 | Zig:22   | Killed a dread lich
271913 | Zig:22   | Killed a dread lich
271913 | Zig:22   | Noticed an ancient lich
271913 | Zig:22   | Noticed a dread lich
271913 | Zig:22   | Noticed a dread lich
271913 | Zig:22   | Noticed a dread lich
271914 | Zig:22   | Noticed a dread lich
271914 | Zig:22   | Noticed a dread lich
271914 | Zig:22   | Killed a dread lich
271915 | Zig:22   | Killed an ancient lich
271915 | Zig:22   | Killed a dread lich
271915 | Zig:22   | Killed a dread lich
271916 | Zig:22   | Killed a dread lich
271916 | Zig:22   | Killed a dread lich
271916 | Zig:22   | Killed an ancient lich
271916 | Zig:22   | Killed a dread lich
271916 | Zig:22   | Noticed an ancient lich
271916 | Zig:22   | Noticed an ancient lich
271917 | Zig:22   | Noticed an ancient lich
271917 | Zig:22   | Noticed a dread lich
271918 | Zig:22   | Killed an ancient lich
271918 | Zig:22   | Killed an ancient lich
271918 | Zig:22   | Noticed an ancient lich
271919 | Zig:22   | Killed an ancient lich
271919 | Zig:22   | Killed a dread lich
271919 | Zig:22   | Killed an ancient lich
271919 | Zig:22   | Noticed an ancient lich
271920 | Zig:22   | Noticed an ancient lich
271920 | Zig:22   | Noticed an ancient lich
271921 | Zig:22   | Killed an ancient lich
271921 | Zig:22   | Killed an ancient lich
271921 | Zig:22   | Noticed a dread lich
271921 | Zig:22   | Killed an ancient lich
271922 | Zig:22   | Noticed a dread lich
271923 | Zig:22   | Noticed a dread lich
271923 | Zig:22   | Noticed an ancient lich
271923 | Zig:22   | Noticed a dread lich
271923 | Zig:22   | Noticed an ancient lich
271923 | Zig:22   | Noticed a dread lich
271923 | Zig:22   | Noticed a dread lich
271924 | Zig:22   | Killed a dread lich
271924 | Zig:22   | Killed a dread lich
271924 | Zig:22   | Killed an ancient lich
271925 | Zig:22   | Killed a dread lich
271925 | Zig:22   | Killed a dread lich
271925 | Zig:22   | Killed a dread lich
271925 | Zig:22   | Killed an ancient lich
271925 | Zig:22   | Noticed an ancient lich
271925 | Zig:22   | Noticed an ancient lich
271925 | Zig:22   | Noticed an ancient lich
271925 | Zig:22   | Killed an ancient lich
271926 | Zig:22   | Noticed a dread lich
271926 | Zig:22   | Noticed an ancient lich
271926 | Zig:22   | Noticed a dread lich
271926 | Zig:22   | Killed a dread lich
271926 | Zig:22   | Noticed a dread lich
271926 | Zig:22   | Noticed a dread lich
271927 | Zig:22   | Noticed a dread lich
271927 | Zig:22   | Killed an ancient lich
271927 | Zig:22   | Killed an ancient lich
271927 | Zig:22   | Killed a dread lich
271928 | Zig:22   | Killed an ancient lich
271928 | Zig:22   | Killed a dread lich
271928 | Zig:22   | Killed an ancient lich
271928 | Zig:22   | Killed a dread lich
271928 | Zig:22   | Killed a dread lich
271928 | Zig:22   | Killed a dread lich
271928 | Zig:22   | Noticed a dread lich
271928 | Zig:22   | Noticed a dread lich
271929 | Zig:22   | Noticed a dread lich
271929 | Zig:22   | Noticed an ancient lich
271929 | Zig:22   | Noticed an ancient lich
271930 | Zig:22   | Killed a dread lich
271930 | Zig:22   | Noticed an ancient lich
271931 | Zig:22   | Killed a dread lich
271931 | Zig:22   | Killed an ancient lich
271931 | Zig:22   | Killed a dread lich
271931 | Zig:22   | Killed an ancient lich
271931 | Zig:22   | Noticed an ancient lich
271931 | Zig:22   | Noticed an ancient lich
271932 | Zig:22   | Killed an ancient lich
271932 | Zig:22   | Killed an ancient lich
271932 | Zig:22   | Killed a dread lich
271933 | Zig:22   | Killed an ancient lich
271934 | Zig:22   | Noticed an ancient lich
271937 | Zig:22   | Killed an ancient lich
271967 | Zig:22   | Identified the +4 eudemon blade of Superiority {holy, rF+
                  | SInv Stlth+}
272003 | Zig:22   | Identified the ring of Ineune Doer {rPois Will+ Str+3
                  | Int+2}
272005 | Zig:22   | Identified the +5 hand axe of the Painted God {vamp, +Blink
                  | Str-5 Int+7}
272006 | Zig:22   | Identified the +3 shortbow of the Moth {heavy, Str+3 Int+4}
272008 | Zig:22   | Identified the +4 chain mail of Whack-A-Mole {Str+5 Slay-3
                  | Stlth+}
272021 | Zig:22   | Identified the +0 pair of boots "Vureuq" {rC++ Regen+}
272033 | Zig:22   | Identified the +5 ring mail of Catemnuz {rN+ Str+4 Int+3
                  | Dex+2}
272042 | Zig:22   | Identified the amulet of Ashenzari's Favour {Spirit Str+5}
272646 | Zig:23   | Entered Level 23 of a ziggurat
272714 | Zig:23   | Identified the +1 robe of Hynul {Harm rElec rN++ Stlth-}
272715 | Zig:23   | Identified the staff of Cheibriados's Envy {rElec rN+ rCorr
                  | Int+3 Necro}
272719 | Zig:23   | Identified the +3 ring mail of the Boiling Point {Rampage
                  | rElec SInv}
272744 | Zig:23   | Identified the +0 great sword of Ysaorhen {heavy, rPois}
272751 | Zig:23   | Identified the +4 hand axe "Ylin" {flame, ^Fragile Fly
                  | Will+++ Dex-5}
272753 | Zig:23   | Identified the +9 shortbow of the Curious Xenops {drain,
                  | rF+}
272775 | Zig:23   | Identified the ring of the Raven {^Drain rCorr Int+8 Slay+5
                  | Stlth-}
272782 | Zig:23   | Identified the +0 swamp dragon scales of True Grit {rElec
                  | rPois Str+2}
272787 | Zig:23   | Identified the +5 mace of Honesty {venom, rElec rCorr}
272788 | Zig:23   | Identified the orb of the Centipede {*Rage, rN+ Will+ Str+3
                  | Alchemy}
272791 | Zig:23   | Identified the +1 trident of the Establishment {flame,
                  | *Rage +Blink Will+ Stlth+}
272794 | Zig:23   | Identified the +1 leather armour of Levity {rElec Regen+
                  | Str+5}
272809 | Zig:23   | Identified the +11 arbalest "Dragon's Death Toll" {penet,
                  | rN+ Str-5 Int+5 Dex+3}
272812 | Zig:23   | Identified the staff of the Original Sin {rElec Int+5 Air
                  | Alchemy}
273572 | Zig:23   | Identified the +3 whip "Bowemnal" {drain, Will+}
273578 | Zig:23   | Identified the +0 robe "Xoulufui" {Rampage rC+ Str+3}
273581 | Zig:23   | Identified the +1 plate armour of Valour {Int+2}
273582 | Zig:23   | Identified the +2 flail of Ocaacyul {heavy, Int+3}
273592 | Zig:23   | Identified the +5 eudemon blade of Joacocoh {holy, *Corrode
                  | Str+6}
273597 | Zig:24   | Entered Level 24 of a ziggurat
274397 | Zig:24   | Identified the +3 scale mail of the Durable Jabberwock
                  | {rCorr}
274415 | Zig:24   | Identified the +7 dagger of the Hidden Vale {elec, Int+3}
274419 | Zig:24   | Identified the staff of Linearity {rN+ Dex+3 SInv Necro
                  | Tloc}
274424 | Zig:24   | Identified the +1 whip of the Valley of Death {heavy, rF+}
274430 | Zig:24   | Identified the +2 mace of the Mashing Gods {freeze, Str+5}
274433 | Zig:24   | Identified the ring "Kaoxat" {Ice Int+3}
274446 | Zig:24   | Identified the +5 plate armour of Hepliaklqana's Outrage
                  | {Int+4}
274447 | Zig:24   | Identified the +9 war axe of Ucibuodo {freeze, Int+3
                  | Stlth+}
274448 | Zig:24   | Identified the +0 ring mail of Leaves {rC+ Regen+}
274453 | Zig:24   | Identified the amulet of Accord {Spirit rPois Str+4}
274469 | Zig:24   | Identified the +0 orcbow "Huijoi" {drain, Int+4}
274472 | Zig:24   | Identified the +2 chain mail of Xogag {Rampage rPois rC-
                  | SInv}
274473 | Zig:24   | Identified the ring "Toboqarch" {rPois rC+ Str+2}
274481 | Zig:24   | Identified the +3 ring mail "Sitit" {rC+ Str+2 Stlth+}
274586 | Zig:25   | Entered Level 25 of a ziggurat
274586 | Zig:25   | Noticed a dread lich
274586 | Zig:25   | Noticed a dread lich
274586 | Zig:25   | Noticed a dread lich
274586 | Zig:25   | Noticed a dread lich
274586 | Zig:25   | Noticed an ancient lich
274586 | Zig:25   | Noticed a dread lich
274586 | Zig:25   | Noticed a dread lich
274586 | Zig:25   | Noticed an ancient lich
274586 | Zig:25   | Noticed a dread lich
274586 | Zig:25   | Noticed a dread lich
274586 | Zig:25   | Noticed an ancient lich
274586 | Zig:25   | Noticed an ancient lich
274586 | Zig:25   | Noticed an ancient lich
274586 | Zig:25   | Noticed a dread lich
274587 | Zig:25   | Killed an ancient lich
274587 | Zig:25   | Killed a dread lich
274587 | Zig:25   | Killed an ancient lich
274587 | Zig:25   | Killed a dread lich
274588 | Zig:25   | Killed a dread lich
274588 | Zig:25   | Killed a dread lich
274588 | Zig:25   | Killed a dread lich
274588 | Zig:25   | Killed an ancient lich
274588 | Zig:25   | Killed an ancient lich
274588 | Zig:25   | Killed an ancient lich
274588 | Zig:25   | Killed a dread lich
274588 | Zig:25   | Killed a dread lich
274588 | Zig:25   | Killed a dread lich
274588 | Zig:25   | Killed a dread lich
274588 | Zig:25   | Noticed a dread lich
274588 | Zig:25   | Noticed a dread lich
274588 | Zig:25   | Noticed an ancient lich
274589 | Zig:25   | Killed an ancient lich
274589 | Zig:25   | Noticed an ancient lich
274590 | Zig:25   | Noticed an ancient lich
274590 | Zig:25   | Noticed an ancient lich
274590 | Zig:25   | Noticed a dread lich
274591 | Zig:25   | Killed an ancient lich
274591 | Zig:25   | Killed a dread lich
274591 | Zig:25   | Killed a dread lich
274591 | Zig:25   | Killed an ancient lich
274591 | Zig:25   | Killed a dread lich
274591 | Zig:25   | Noticed a dread lich
274592 | Zig:25   | Noticed an ancient lich
274592 | Zig:25   | Noticed a dread lich
274592 | Zig:25   | Noticed a dread lich
274593 | Zig:25   | Noticed an ancient lich
274593 | Zig:25   | Killed a dread lich
274593 | Zig:25   | Killed an ancient lich
274593 | Zig:25   | Killed an ancient lich
274593 | Zig:25   | Killed a dread lich
274593 | Zig:25   | Killed an ancient lich
274594 | Zig:25   | Killed a dread lich
274595 | Zig:25   | Noticed a dread lich
274595 | Zig:25   | Noticed a dread lich
274595 | Zig:25   | Noticed an ancient lich
274596 | Zig:25   | Killed a dread lich
274597 | Zig:25   | Noticed an ancient lich
274597 | Zig:25   | Noticed an ancient lich
274597 | Zig:25   | Noticed a dread lich
274597 | Zig:25   | Noticed a dread lich
274598 | Zig:25   | Killed an ancient lich
274598 | Zig:25   | Killed an ancient lich
274598 | Zig:25   | Killed a dread lich
274598 | Zig:25   | Killed a dread lich
274599 | Zig:25   | Noticed an ancient lich
274599 | Zig:25   | Killed an ancient lich
274600 | Zig:25   | Noticed an ancient lich
274600 | Zig:25   | Noticed a dread lich
274600 | Zig:25   | Noticed a dread lich
274600 | Zig:25   | Noticed an ancient lich
274600 | Zig:25   | Noticed an ancient lich
274600 | Zig:25   | Noticed a dread lich
274600 | Zig:25   | Noticed an ancient lich
274600 | Zig:25   | Noticed a dread lich
274601 | Zig:25   | Killed a dread lich
274601 | Zig:25   | Killed a dread lich
274601 | Zig:25   | Killed a dread lich
274601 | Zig:25   | Killed an ancient lich
274601 | Zig:25   | Killed an ancient lich
274601 | Zig:25   | Killed a dread lich
274601 | Zig:25   | Killed an ancient lich
274602 | Zig:25   | Killed an ancient lich
274602 | Zig:25   | Killed a dread lich
274602 | Zig:25   | Noticed a dread lich
274603 | Zig:25   | Noticed a dread lich
274603 | Zig:25   | Noticed a dread lich
274603 | Zig:25   | Noticed a dread lich
274603 | Zig:25   | Noticed a dread lich
274603 | Zig:25   | Noticed an ancient lich
274604 | Zig:25   | Noticed a dread lich
274604 | Zig:25   | Killed a dread lich
274604 | Zig:25   | Killed an ancient lich
274605 | Zig:25   | Killed a dread lich
274605 | Zig:25   | Killed an ancient lich
274605 | Zig:25   | Killed a dread lich
274605 | Zig:25   | Killed a dread lich
274605 | Zig:25   | Killed a dread lich
274605 | Zig:25   | Killed a dread lich
274605 | Zig:25   | Noticed an ancient lich
274605 | Zig:25   | Noticed an ancient lich
274606 | Zig:25   | Noticed an ancient lich
274606 | Zig:25   | Noticed a dread lich
274606 | Zig:25   | Noticed an ancient lich
274606 | Zig:25   | Noticed an ancient lich
274606 | Zig:25   | Noticed an ancient lich
274606 | Zig:25   | Noticed an ancient lich
274607 | Zig:25   | Noticed an ancient lich
274608 | Zig:25   | Killed an ancient lich
274608 | Zig:25   | Killed an ancient lich
274608 | Zig:25   | Killed an ancient lich
274608 | Zig:25   | Killed an ancient lich
274608 | Zig:25   | Killed an ancient lich
274608 | Zig:25   | Noticed a dread lich
274608 | Zig:25   | Noticed an ancient lich
274608 | Zig:25   | Noticed an ancient lich
274608 | Zig:25   | Noticed an ancient lich
274609 | Zig:25   | Noticed an ancient lich
274609 | Zig:25   | Noticed an ancient lich
274609 | Zig:25   | Noticed a dread lich
274609 | Zig:25   | Noticed a dread lich
274609 | Zig:25   | Noticed a dread lich
274609 | Zig:25   | Noticed an ancient lich
274609 | Zig:25   | Noticed a dread lich
274609 | Zig:25   | Noticed an ancient lich
274610 | Zig:25   | Killed a dread lich
274610 | Zig:25   | Killed an ancient lich
274610 | Zig:25   | Killed a dread lich
274610 | Zig:25   | Killed an ancient lich
274610 | Zig:25   | Killed an ancient lich
274610 | Zig:25   | Killed a dread lich
274610 | Zig:25   | Killed an ancient lich
274610 | Zig:25   | Killed an ancient lich
274610 | Zig:25   | Killed a dread lich
274610 | Zig:25   | Killed a dread lich
274611 | Zig:25   | Killed an ancient lich
274611 | Zig:25   | Killed an ancient lich
274611 | Zig:25   | Killed an ancient lich
274611 | Zig:25   | Killed an ancient lich
274611 | Zig:25   | Killed an ancient lich
274611 | Zig:25   | Noticed a dread lich
274611 | Zig:25   | Noticed an ancient lich
274611 | Zig:25   | Noticed an ancient lich
274611 | Zig:25   | Noticed an ancient lich
274611 | Zig:25   | Killed a dread lich
274611 | Zig:25   | Noticed an ancient lich
274611 | Zig:25   | Noticed a dread lich
274612 | Zig:25   | Noticed an ancient lich
274612 | Zig:25   | Noticed a dread lich
274612 | Zig:25   | Noticed an ancient lich
274612 | Zig:25   | Noticed a dread lich
274612 | Zig:25   | Noticed a dread lich
274613 | Zig:25   | Killed a dread lich
274613 | Zig:25   | Killed an ancient lich
274613 | Zig:25   | Killed a dread lich
274613 | Zig:25   | Killed a dread lich
274613 | Zig:25   | Killed an ancient lich
274614 | Zig:25   | Killed an ancient lich
274614 | Zig:25   | Killed an ancient lich
274614 | Zig:25   | Killed an ancient lich
274614 | Zig:25   | Killed an ancient lich
274614 | Zig:25   | Killed an ancient lich
274614 | Zig:25   | Killed a dread lich
274614 | Zig:25   | Killed a dread lich
274614 | Zig:25   | Noticed an ancient lich
274615 | Zig:25   | Noticed a dread lich
274615 | Zig:25   | Noticed an ancient lich
274615 | Zig:25   | Noticed an ancient lich
274615 | Zig:25   | Noticed an ancient lich
274615 | Zig:25   | Noticed a dread lich
274615 | Zig:25   | Noticed an ancient lich
274616 | Zig:25   | Noticed an ancient lich
274616 | Zig:25   | Killed an ancient lich
274616 | Zig:25   | Killed an ancient lich
274616 | Zig:25   | Killed an ancient lich
274616 | Zig:25   | Killed an ancient lich
274616 | Zig:25   | Killed a dread lich
274616 | Zig:25   | Killed a dread lich
274617 | Zig:25   | Killed an ancient lich
274617 | Zig:25   | Killed an ancient lich
274617 | Zig:25   | Noticed a dread lich
274618 | Zig:25   | Noticed an ancient lich
274618 | Zig:25   | Noticed a dread lich
274618 | Zig:25   | Noticed a dread lich
274618 | Zig:25   | Noticed an ancient lich
274618 | Zig:25   | Noticed a dread lich
274618 | Zig:25   | Noticed a dread lich
274618 | Zig:25   | Paralysed by a dread lich for 4 turns
274618 | Zig:25   | Noticed a dread lich
274618 | Zig:25   | Noticed a dread lich
274618 | Zig:25   | Noticed an ancient lich
274619 | Zig:25   | Noticed a dread lich
274619 | Zig:25   | Noticed a dread lich
274620 | Zig:25   | Noticed an ancient lich
274620 | Zig:25   | Noticed a dread lich
274621 | Zig:25   | Noticed an ancient lich
274622 | Zig:25   | Noticed an ancient lich
274623 | Zig:25   | Noticed an ancient lich
274623 | Zig:25   | Killed a dread lich
274623 | Zig:25   | Killed a dread lich
274623 | Zig:25   | Killed a dread lich
274623 | Zig:25   | Killed an ancient lich
274623 | Zig:25   | Killed a dread lich
274623 | Zig:25   | Killed a dread lich
274623 | Zig:25   | Killed an ancient lich
274623 | Zig:25   | Killed an ancient lich
274623 | Zig:25   | Killed a dread lich
274624 | Zig:25   | Killed a dread lich
274624 | Zig:25   | Killed a dread lich
274624 | Zig:25   | Killed a dread lich
274624 | Zig:25   | Killed an ancient lich
274624 | Zig:25   | Killed an ancient lich
274624 | Zig:25   | Killed an ancient lich
274624 | Zig:25   | Killed a dread lich
274624 | Zig:25   | Killed an ancient lich
274624 | Zig:25   | Noticed an ancient lich
274625 | Zig:25   | Killed an ancient lich
274625 | Zig:25   | Noticed a dread lich
274625 | Zig:25   | Noticed a dread lich
274626 | Zig:25   | Killed a dread lich
274627 | Zig:25   | Killed a dread lich
274627 | Zig:25   | Noticed an ancient lich
274627 | Zig:25   | Noticed an ancient lich
274627 | Zig:25   | Noticed an ancient lich
274627 | Zig:25   | Noticed a dread lich
274627 | Zig:25   | Noticed a dread lich
274628 | Zig:25   | Noticed a dread lich
274628 | Zig:25   | Noticed a dread lich
274628 | Zig:25   | Noticed a dread lich
274628 | Zig:25   | Noticed an ancient lich
274628 | Zig:25   | Noticed an ancient lich
274628 | Zig:25   | Noticed a dread lich
274628 | Zig:25   | Noticed a dread lich
274629 | Zig:25   | Killed a dread lich
274629 | Zig:25   | Killed a dread lich
274629 | Zig:25   | Killed an ancient lich
274629 | Zig:25   | Killed an ancient lich
274629 | Zig:25   | Killed a dread lich
274629 | Zig:25   | Killed an ancient lich
274629 | Zig:25   | Killed a dread lich
274630 | Zig:25   | Noticed an ancient lich
274630 | Zig:25   | Noticed an ancient lich
274631 | Zig:25   | Noticed an ancient lich
274631 | Zig:25   | Noticed an ancient lich
274631 | Zig:25   | Killed an ancient lich
274631 | Zig:25   | Killed a dread lich
274631 | Zig:25   | Killed an ancient lich
274631 | Zig:25   | Killed an ancient lich
274631 | Zig:25   | Killed a dread lich
274631 | Zig:25   | Killed an ancient lich
274632 | Zig:25   | Killed an ancient lich
274632 | Zig:25   | Killed an ancient lich
274633 | Zig:25   | Noticed an ancient lich
274633 | Zig:25   | Noticed an ancient lich
274633 | Zig:25   | Noticed an ancient lich
274633 | Zig:25   | Noticed an ancient lich
274633 | Zig:25   | Noticed an ancient lich
274633 | Zig:25   | Killed a dread lich
274634 | Zig:25   | Noticed an ancient lich
274634 | Zig:25   | Killed an ancient lich
274634 | Zig:25   | Killed an ancient lich
274634 | Zig:25   | Killed an ancient lich
274634 | Zig:25   | Noticed a dread lich
274634 | Zig:25   | Noticed an ancient lich
274634 | Zig:25   | Killed an ancient lich
274634 | Zig:25   | Noticed a dread lich
274634 | Zig:25   | Noticed a dread lich
274635 | Zig:25   | Killed an ancient lich
274635 | Zig:25   | Killed an ancient lich
274635 | Zig:25   | Killed an ancient lich
274635 | Zig:25   | Killed a dread lich
274636 | Zig:25   | Noticed a dread lich
274636 | Zig:25   | Noticed an ancient lich
274636 | Zig:25   | Noticed a dread lich
274636 | Zig:25   | Noticed an ancient lich
274636 | Zig:25   | Noticed an ancient lich
274637 | Zig:25   | Noticed an ancient lich
274637 | Zig:25   | Killed a dread lich
274637 | Zig:25   | Killed a dread lich
274637 | Zig:25   | Killed an ancient lich
274637 | Zig:25   | Killed an ancient lich
274638 | Zig:25   | Killed an ancient lich
274638 | Zig:25   | Killed a dread lich
274638 | Zig:25   | Killed a dread lich
274638 | Zig:25   | Killed an ancient lich
274640 | Zig:25   | Noticed an ancient lich
274640 | Zig:25   | Noticed a dread lich
274640 | Zig:25   | Killed an ancient lich
274640 | Zig:25   | Noticed a dread lich
274641 | Zig:25   | Killed a dread lich
274641 | Zig:25   | Noticed an ancient lich
274641 | Zig:25   | Noticed an ancient lich
274642 | Zig:25   | Killed a dread lich
274642 | Zig:25   | Noticed an ancient lich
274642 | Zig:25   | Noticed an ancient lich
274643 | Zig:25   | Killed an ancient lich
274643 | Zig:25   | Killed an ancient lich
274643 | Zig:25   | Killed an ancient lich
274643 | Zig:25   | Noticed a dread lich
274643 | Zig:25   | Noticed a dread lich
274643 | Zig:25   | Noticed an ancient lich
274644 | Zig:25   | Noticed a dread lich
274644 | Zig:25   | Noticed an ancient lich
274644 | Zig:25   | Noticed an ancient lich
274644 | Zig:25   | Noticed an ancient lich
274644 | Zig:25   | Noticed a dread lich
274644 | Zig:25   | Noticed an ancient lich
274645 | Zig:25   | Killed an ancient lich
274645 | Zig:25   | Killed a dread lich
274645 | Zig:25   | Killed an ancient lich
274645 | Zig:25   | Killed a dread lich
274645 | Zig:25   | Killed an ancient lich
274645 | Zig:25   | Killed a dread lich
274646 | Zig:25   | Killed a dread lich
274646 | Zig:25   | Killed an ancient lich
274646 | Zig:25   | Killed an ancient lich
274646 | Zig:25   | Killed an ancient lich
274646 | Zig:25   | Noticed an ancient lich
274646 | Zig:25   | Noticed a dread lich
274647 | Zig:25   | Noticed an ancient lich
274647 | Zig:25   | Noticed a dread lich
274648 | Zig:25   | Killed a dread lich
274648 | Zig:25   | Killed an ancient lich
274650 | Zig:25   | Noticed a dread lich
274650 | Zig:25   | Noticed a dread lich
274651 | Zig:25   | Killed an ancient lich
274651 | Zig:25   | Killed a dread lich
274651 | Zig:25   | Killed a dread lich
274652 | Zig:25   | Killed a dread lich
274653 | Zig:25   | Noticed an ancient lich
274654 | Zig:25   | Noticed an ancient lich
274654 | Zig:25   | Killed an ancient lich
274655 | Zig:25   | Killed an ancient lich
274656 | Zig:25   | Noticed a dread lich
274658 | Zig:25   | Killed a dread lich
274701 | Zig:25   | Identified the ring of Norgh {Will+ MP+9}
274725 | Zig:25   | Identified the +3 hat of the Dwarven Hall {Stlth+}
274730 | Zig:25   | Identified the staff of Vengeance {+Blink rF+ rN+ Dex-5
                  | Fire Alchemy}
274734 | Zig:25   | Identified the staff of Rafollas {rElec Will+ Air}
274739 | Zig:25   | Identified the ring of Woutomp {Wiz rPois Int+2}
274745 | Zig:25   | Identified the staff of Benevolence {rF+ rCorr Fire}
274749 | Zig:25   | Identified the +5 spear of the Red God {venom, rF+ rCorr
                  | Stlth+}
274764 | Zig:25   | Identified the +1 trident of the Forest {venom, rF+ Dex+4}
274775 | Zig:25   | Identified the +6 plate armour of Okawaru, Crafting {Harm
                  | rElec Dex+2}
274780 | Zig:25   | Identified the +5 demon whip "Kelohy" {venom, ^Drain rC-
                  | Str+8 Dex+4}
275491 | Zig:26   | Entered Level 26 of a ziggurat
275668 | Zig:26   | Identified the +2 ring mail "Uthrusiff" {rC+ rN+}
275675 | Zig:26   | Identified the +8 dire flail "Xithath" {antimagic, rPois}
275676 | Zig:26   | Identified the +4 hand axe "Sarcophage" {freeze, Str+4}
276347 | Zig:26   | Identified the ring "Pusiagro" {Will+ MP+9 Str+3}
276365 | Zig:26   | Identified the +4 long sword of a Gauntlet {elec, Fly MP-9
                  | Str+6}
276366 | Zig:26   | Identified the staff of the Horn {Int-4 Dex+5 Earth}
276466 | Zig:27   | Entered Level 27 of a ziggurat
276502 | Zig:27   | Paralysed by an air elemental for 1 turns
276527 | Zig:27   | Paralysed by an air elemental for 1 turns
276573 | Zig:27   | Identified the +6 short sword of Parts Unknown {speed, Fly
                  | Dex+2}
276574 | Zig:27   | Identified the +4 glaive "Ykoq" {freeze, rElec rF+ Will++
                  | Str+3}
276578 | Zig:27   | Identified the ring "Legof" {Fire rElec rCorr Int-4}
276591 | Zig:27   | Identified the +0 halberd of the Unseen Realm {spect, rPois
                  | Str+3}
276592 | Zig:27   | Identified the +8 orcbow of Resumed Hostilities {freeze,
                  | rN+++ Will+++ MP-9 Str-4}
276599 | Zig:27   | Identified the +6 spear of Destiny {flame, rN+}
276606 | Zig:27   | Identified the +1 shortbow "Mugg" {flame, Fly rN+ MP-9
                  | Int+3}
276611 | Zig:27   | Identified the ring of Pajaosohis {Fly rC+ Int+2}
276731 | Zig:27   | Identified the +4 war axe of the Loving Sybil {vamp,
                  | ^Contam +Blink rElec Str+5 Int+3}
277440 | Depths:3 | Acquired 755 gold pieces
277441 | Depths:3 | Acquired 550 gold pieces
277442 | Depths:3 | Acquired 569 gold pieces
277452 | Zig:1    | Entered Level 1 of a ziggurat
277452 | Zig:1    | Noticed a juggernaut
277452 | Zig:1    | Noticed a juggernaut
277452 | Zig:1    | Noticed a juggernaut
277453 | Zig:1    | Killed a juggernaut
277453 | Zig:1    | Killed a juggernaut
277454 | Zig:1    | Killed a juggernaut
277569 | Zig:2    | Entered Level 2 of a ziggurat
277679 | Zig:2    | Identified the +0 robe "Kikicige" {Str+3}
277701 | Zig:3    | Entered Level 3 of a ziggurat
277871 | Zig:4    | Entered Level 4 of a ziggurat
277983 | Zig:4    | Identified the +1 quarterstaff of Aschylonod {holy, Stlth+}
278003 | Zig:4    | Identified the +5 shortbow of Fedhas's Wrath {elec, rPois
                  | rF+ Will- Str+4}
278020 | Zig:5    | Entered Level 5 of a ziggurat
278088 | Zig:5    | Identified the +5 quick blade "Sioheg" {heavy, rPois rC+
                  | Will-}
278203 | Zig:6    | Entered Level 6 of a ziggurat
278377 | Zig:6    | Identified the amulet of Incredulity {Spirit rC- Int+6
                  | Dex+4}
278387 | Zig:6    | Identified the staff "Fyups" {^Fragile rElec Str+2 Int+3
                  | Necro Air}
278440 | Zig:7    | Entered Level 7 of a ziggurat
278506 | Zig:7    | Identified the +5 shortbow of Destiny {flame, rElec MP+9}
278526 | Zig:7    | Identified the ring "Irice" {rPois AC+4 Stlth+}
278528 | Zig:7    | Identified the +7 long sword "Conservator" {drain, rN++}
278686 | Zig:8    | Entered Level 8 of a ziggurat
278696 | Zig:8    | Noticed Loereywne the pandemonium lord
278702 | Zig:8    | Killed Loereywne the pandemonium lord
278885 | Zig:8    | Identified the staff "Killer Klown's Doom" {rF+ rCorr Dex+4
                  | Fire Air}
278891 | Zig:8    | Identified the +0 great mace "Otolus Zida" {freeze, Int+2}
278954 | Zig:9    | Entered Level 9 of a ziggurat
278975 | Zig:9    | Identified the +2 helmet "Femn" {-Tele rElec Str+2}
278988 | Zig:9    | Identified the +5 dire flail "Beetleslayer" {pain, +Blink
                  | Int+6 Dex+6}
278994 | Zig:9    | Identified the +4 robe of Gaocur {rF+ Dex+4}
279040 | Zig:9    | Identified the +0 cloak "Oluf Ragh" {Will+ Int+3}
279245 | Zig:10   | Entered Level 10 of a ziggurat
279268 | Zig:10   | Identified the ring "Damnable Contraption" {Fire Str+5}
279489 | Zig:10   | Identified the staff of the Hills {rC+ Int+3 Dex+2 Ice}
279502 | Zig:10   | Identified the ring "Xegept Jahich" {rCorr EV+5 Dex+5}
279539 | Zig:11   | Entered Level 11 of a ziggurat
279558 | Zig:11   | Identified the +0 great sword "Ozxoits" {vamp, *Corrode
                  | rElec rPois Int+3}
279627 | Zig:11   | Identified the ring of Siwolus {Fly rN+ Int-5 Slay+5}
279647 | Zig:11   | Identified the +5 broad axe "Yptukif" {freeze, *Corrode
                  | rPois Will+ Int+4}
279666 | Zig:11   | Identified the ring "Tockeopi" {rPois rF- Will+ MP+9 Str+2}
279671 | Zig:11   | Identified the +0 leather armour of Lagycuux {rN+}
279692 | Zig:11   | Identified the +5 lajatang of Red Wine {vamp, Dex+5}
279895 | Zig:11   | Identified the +3 acid dragon scales "Nisawk" {Harm rF++
                  | Will- rCorr MP+9}
279917 | Zig:12   | Entered Level 12 of a ziggurat
279917 | Zig:12   | Noticed a dread lich
279917 | Zig:12   | Noticed a dread lich
279928 | Zig:12   | Killed a dread lich
279943 | Zig:12   | Killed a dread lich
280048 | Zig:12   | Identified the +11 eudemon blade "Jekeeb" {holy, +Blink}
280050 | Zig:12   | Identified the +6 mace of Veabutt {antimagic, rElec Str+3
                  | Stlth+}
280054 | Zig:12   | Identified the +4 sling of the Rattlesnake {speed, ^Drain
                  | +Blink Int+7 Stlth+}
280229 | Zig:12   | Identified the staff of the Mind {rC+ Will++ Dex+2 Ice}
280244 | Zig:12   | Identified the +1 robe of Leapfrog {-Tele Rampage MP+9}
280253 | Zig:12   | Identified the staff of Balance {rC+ MP+9 Str+2 Stlth+ Ice}
280260 | Zig:12   | Identified the amulet "Biefir" {Reflect rElec rPois Regen+
                  | SH+5}
280302 | Zig:13   | Entered Level 13 of a ziggurat
280331 | Zig:13   | Killed a starcursed mass
280392 | Zig:13   | Identified the +7 great sword of Gluttony {heavy, rF+ rC+}
280663 | Zig:14   | Entered Level 14 of a ziggurat
280961 | Zig:14   | Identified the staff of the Equinox {rF+ MP+9 Str+3 Fire}
280979 | Zig:14   | Identified the orb "Isoryrok" {*channel, Int+8}
280981 | Zig:14   | Identified the +0 chain mail of Odeug {^Drain rC+ rN++
                  | Stlth+}
280986 | Zig:14   | Identified the staff of Gurghye {rF+ SInv Stlth+ Conj}
281044 | Zig:15   | Entered Level 15 of a ziggurat
281044 | Zig:15   | Noticed an ancient lich
281044 | Zig:15   | Noticed an ancient lich
281044 | Zig:15   | Noticed an ancient lich
281044 | Zig:15   | Noticed an ancient lich
281044 | Zig:15   | Noticed an ancient lich
281045 | Zig:15   | Killed an ancient lich
281045 | Zig:15   | Killed an ancient lich
281045 | Zig:15   | Killed an ancient lich
281045 | Zig:15   | Killed an ancient lich
281046 | Zig:15   | Killed an ancient lich
281046 | Zig:15   | Noticed an ancient lich
281047 | Zig:15   | Noticed an ancient lich
281048 | Zig:15   | Killed an ancient lich
281049 | Zig:15   | Noticed an ancient lich
281050 | Zig:15   | Killed an ancient lich
281051 | Zig:15   | Killed an ancient lich
281055 | Zig:15   | Noticed an ancient lich
281056 | Zig:15   | Noticed an ancient lich
281056 | Zig:15   | Noticed an ancient lich
281057 | Zig:15   | Killed an ancient lich
281057 | Zig:15   | Killed an ancient lich
281057 | Zig:15   | Killed an ancient lich
281058 | Zig:15   | Noticed an ancient lich
281060 | Zig:15   | Killed an ancient lich
281061 | Zig:15   | Noticed an ancient lich
281061 | Zig:15   | Noticed an ancient lich
281062 | Zig:15   | Killed an ancient lich
281064 | Zig:15   | Killed an ancient lich
281065 | Zig:15   | Noticed an ancient lich
281067 | Zig:15   | Killed an ancient lich
281120 | Zig:15   | Identified the +10 spear of Watchfulness {protect, Dex+4}
281126 | Zig:15   | Identified the +11 crystal plate armour of Uchojoes {rPois
                  | rF- Will+ Int+3}
281143 | Zig:15   | Identified the +11 short sword of a sewer {freeze, *Noise
                  | Fly rC++ Dex+3}
281149 | Zig:15   | Identified the +0 falchion of Niotufrar {freeze, Will-
                  | Int+8}
281436 | Zig:15   | Identified the +9 flail "Ibeuntuz" {spect, rF+ rCorr Str+6
                  | Dex-2}
281446 | Zig:16   | Entered Level 16 of a ziggurat
281446 | Zig:16   | Noticed a dread lich
281446 | Zig:16   | Noticed a dread lich
281446 | Zig:16   | Noticed a dread lich
281446 | Zig:16   | Noticed a dread lich
281446 | Zig:16   | Noticed a dread lich
281446 | Zig:16   | Noticed a dread lich
281446 | Zig:16   | Noticed a dread lich
281446 | Zig:16   | Noticed a dread lich
281446 | Zig:16   | Noticed a dread lich
281446 | Zig:16   | Noticed an ancient lich
281446 | Zig:16   | Noticed an ancient lich
281446 | Zig:16   | Noticed a dread lich
281446 | Zig:16   | Noticed a dread lich
281446 | Zig:16   | Noticed an ancient lich
281446 | Zig:16   | Noticed an ancient lich
281446 | Zig:16   | Noticed an ancient lich
281446 | Zig:16   | Noticed a dread lich
281446 | Zig:16   | Noticed a dread lich
281446 | Zig:16   | Noticed a dread lich
281446 | Zig:16   | Noticed a dread lich
281446 | Zig:16   | Noticed a dread lich
281446 | Zig:16   | Noticed an ancient lich
281447 | Zig:16   | Killed a dread lich
281447 | Zig:16   | Killed a dread lich
281447 | Zig:16   | Killed a dread lich
281447 | Zig:16   | Killed an ancient lich
281448 | Zig:16   | Killed a dread lich
281448 | Zig:16   | Killed an ancient lich
281448 | Zig:16   | Killed an ancient lich
281448 | Zig:16   | Killed an ancient lich
281448 | Zig:16   | Killed a dread lich
281448 | Zig:16   | Killed a dread lich
281448 | Zig:16   | Killed a dread lich
281448 | Zig:16   | Killed a dread lich
281448 | Zig:16   | Killed an ancient lich
281448 | Zig:16   | Killed an ancient lich
281448 | Zig:16   | Killed a dread lich
281448 | Zig:16   | Killed a dread lich
281448 | Zig:16   | Killed a dread lich
281448 | Zig:16   | Killed a dread lich
281448 | Zig:16   | Killed a dread lich
281448 | Zig:16   | Killed a dread lich
281448 | Zig:16   | Killed a dread lich
281448 | Zig:16   | Killed a dread lich
281448 | Zig:16   | Noticed a dread lich
281448 | Zig:16   | Noticed a dread lich
281448 | Zig:16   | Noticed an ancient lich
281448 | Zig:16   | Noticed an ancient lich
281449 | Zig:16   | Killed a dread lich
281449 | Zig:16   | Killed a dread lich
281449 | Zig:16   | Killed an ancient lich
281449 | Zig:16   | Noticed a dread lich
281450 | Zig:16   | Noticed a dread lich
281450 | Zig:16   | Noticed an ancient lich
281450 | Zig:16   | Noticed a dread lich
281450 | Zig:16   | Noticed a dread lich
281451 | Zig:16   | Killed a dread lich
281451 | Zig:16   | Killed an ancient lich
281451 | Zig:16   | Killed a dread lich
281451 | Zig:16   | Killed a dread lich
281451 | Zig:16   | Noticed a dread lich
281451 | Zig:16   | Noticed a dread lich
281452 | Zig:16   | Noticed an ancient lich
281452 | Zig:16   | Noticed an ancient lich
281452 | Zig:16   | Noticed an ancient lich
281452 | Zig:16   | Noticed an ancient lich
281453 | Zig:16   | Killed a dread lich
281453 | Zig:16   | Killed a dread lich
281453 | Zig:16   | Killed an ancient lich
281453 | Zig:16   | Killed a dread lich
281453 | Zig:16   | Killed an ancient lich
281453 | Zig:16   | Killed an ancient lich
281453 | Zig:16   | Killed an ancient lich
281453 | Zig:16   | Killed an ancient lich
281454 | Zig:16   | Noticed an ancient lich
281454 | Zig:16   | Noticed a dread lich
281454 | Zig:16   | Noticed a dread lich
281454 | Zig:16   | Noticed a dread lich
281455 | Zig:16   | Noticed a dread lich
281455 | Zig:16   | Noticed a dread lich
281455 | Zig:16   | Killed a dread lich
281455 | Zig:16   | Killed an ancient lich
281455 | Zig:16   | Killed a dread lich
281455 | Zig:16   | Noticed a dread lich
281456 | Zig:16   | Killed a dread lich
281456 | Zig:16   | Killed a dread lich
281456 | Zig:16   | Killed a dread lich
281457 | Zig:16   | Noticed a dread lich
281457 | Zig:16   | Noticed an ancient lich
281457 | Zig:16   | Noticed a dread lich
281457 | Zig:16   | Noticed an ancient lich
281457 | Zig:16   | Noticed a dread lich
281457 | Zig:16   | Noticed a dread lich
281457 | Zig:16   | Noticed an ancient lich
281458 | Zig:16   | Killed a dread lich
281458 | Zig:16   | Killed a dread lich
281458 | Zig:16   | Killed a dread lich
281458 | Zig:16   | Killed an ancient lich
281458 | Zig:16   | Noticed a dread lich
281458 | Zig:16   | Noticed a dread lich
281459 | Zig:16   | Killed an ancient lich
281459 | Zig:16   | Killed an ancient lich
281459 | Zig:16   | Killed a dread lich
281459 | Zig:16   | Killed a dread lich
281459 | Zig:16   | Killed a dread lich
281460 | Zig:16   | Noticed a dread lich
281460 | Zig:16   | Noticed an ancient lich
281460 | Zig:16   | Noticed a dread lich
281461 | Zig:16   | Killed an ancient lich
281461 | Zig:16   | Killed a dread lich
281462 | Zig:16   | Killed a dread lich
281462 | Zig:16   | Killed a dread lich
281463 | Zig:16   | Noticed an ancient lich
281463 | Zig:16   | Noticed a dread lich
281463 | Zig:16   | Noticed a dread lich
281463 | Zig:16   | Noticed a dread lich
281463 | Zig:16   | Noticed a dread lich
281464 | Zig:16   | Killed a dread lich
281464 | Zig:16   | Killed an ancient lich
281464 | Zig:16   | Killed a dread lich
281464 | Zig:16   | Noticed an ancient lich
281464 | Zig:16   | Noticed an ancient lich
281464 | Zig:16   | Killed a dread lich
281465 | Zig:16   | Killed a dread lich
281465 | Zig:16   | Killed an ancient lich
281465 | Zig:16   | Noticed an ancient lich
281465 | Zig:16   | Noticed an ancient lich
281467 | Zig:16   | Killed an ancient lich
281467 | Zig:16   | Killed an ancient lich
281467 | Zig:16   | Killed an ancient lich
281469 | Zig:16   | Noticed a dread lich
281470 | Zig:16   | Killed a dread lich
281470 | Zig:16   | Noticed an ancient lich
281473 | Zig:16   | Killed an ancient lich
281505 | Zig:16   | Identified the ring "Paolazuihomn" {Ice rElec Will+ Str+2
                  | Dex-5}
281514 | Zig:16   | Identified the +5 trident "Sytuh" {heavy, *Corrode rElec
                  | rN+}
281517 | Zig:16   | Identified the +1 mace "Ewyupp" {heavy, Str+4}
281756 | Zig:16   | Identified the +3 great mace "Newtbane" {holy, rF+ rCorr}
281758 | Zig:16   | Identified the +5 scale mail of Rotation {+Inv rPois MP+9
                  | Int-5}
281759 | Zig:16   | Identified the ring "Ynio" {Ice Int+2}
281761 | Zig:16   | Identified the +4 robe of Mysticism {rC- Str+4}
281765 | Zig:16   | Identified the +3 plate armour of Vanity {Dex+3}
281767 | Zig:16   | Identified the ring "Joutueh" {rElec Int+4 Dex+6}
281772 | Zig:16   | Identified the +9 hand axe of the Sneaky Prophets {drain,
                  | rPois}
281773 | Zig:16   | Identified the amulet "Gitsan" {Acrobat rF+ Will- Stlth+}
281777 | Zig:16   | Identified the +4 whip of Bedazzled Guile {flame, Str+2
                  | Int+3}
281788 | Zig:16   | Identified the +10 trident "Viludgh" {drain, rF+ rC+ Str-4
                  | Int+2}
281847 | Zig:16   | Identified the ring of Faral {MP+9 Str+2}
281877 | Zig:17   | Entered Level 17 of a ziggurat
281913 | Zig:17   | Paralysed by a wendigo for 1 turns
282024 | Zig:17   | Identified the staff of Viafaun {rElec rN+ Will++ Dex-2
                  | Necro Air}
282198 | Zig:17   | Identified the +4 sling "Bayffan" {freeze, Fly rPois rC-
                  | Str+4}
282405 | Zig:18   | Entered Level 18 of a ziggurat
282453 | Zig:18   | Killed a starcursed mass
282482 | Zig:18   | Identified the +3 scale mail of the Wilderness {rF+}
282487 | Zig:18   | Identified the +3 ring mail of the Trees {rPois Slay+3}
282732 | Zig:18   | Identified the amulet of Seracwa {Regen+ Str+5}
282779 | Zig:18   | Identified the staff of Kuczougg {rF+ Will+ Int+3 Stlth-
                  | Fire Alchemy}
282808 | Zig:18   | Identified the ring "Muum" {Fly rCorr MP-9 Str+7 Int+6}
282837 | Zig:18   | Identified the +1 long sword "Xyaff" {elec, rN+ Int+2}
282839 | Zig:18   | Identified the +3 chain mail of Haev {rC+ Str+4}
282850 | Zig:18   | Identified the +0 scale mail of Boumpac {rElec}
282854 | Zig:18   | Identified the +4 eudemon blade of False Hope {holy, rPois
                  | rC+ rN+}
282855 | Zig:18   | Identified the staff of the Tundras {rElec rF++ Summ Ice
                  | Air}
282918 | Zig:19   | Entered Level 19 of a ziggurat
282918 | Zig:19   | Noticed an ancient lich
282918 | Zig:19   | Noticed an ancient lich
282918 | Zig:19   | Noticed an ancient lich
282918 | Zig:19   | Noticed a dread lich
282918 | Zig:19   | Noticed a dread lich
282918 | Zig:19   | Noticed an ancient lich
282918 | Zig:19   | Noticed an ancient lich
282918 | Zig:19   | Noticed a dread lich
282918 | Zig:19   | Noticed an ancient lich
282918 | Zig:19   | Noticed a dread lich
282918 | Zig:19   | Noticed a dread lich
282918 | Zig:19   | Noticed a dread lich
282918 | Zig:19   | Noticed a dread lich
282918 | Zig:19   | Noticed an ancient lich
282918 | Zig:19   | Noticed a dread lich
282918 | Zig:19   | Noticed a dread lich
282918 | Zig:19   | Noticed an ancient lich
282918 | Zig:19   | Noticed an ancient lich
282918 | Zig:19   | Noticed an ancient lich
282918 | Zig:19   | Noticed an ancient lich
282918 | Zig:19   | Noticed a dread lich
282918 | Zig:19   | Noticed a dread lich
282919 | Zig:19   | Killed a dread lich
282919 | Zig:19   | Killed an ancient lich
282919 | Zig:19   | Killed an ancient lich
282919 | Zig:19   | Killed a dread lich
282919 | Zig:19   | Killed a dread lich
282919 | Zig:19   | Killed a dread lich
282919 | Zig:19   | Killed a dread lich
282919 | Zig:19   | Killed an ancient lich
282919 | Zig:19   | Killed a dread lich
282920 | Zig:19   | Paralysed by a sphinx for 4 turns
282921 | Zig:19   | Killed a dread lich
282921 | Zig:19   | Killed a dread lich
282924 | Zig:19   | Noticed a dread lich
282925 | Zig:19   | Noticed an ancient lich
282925 | Zig:19   | Noticed a dread lich
282925 | Zig:19   | Noticed an ancient lich
282926 | Zig:19   | Killed an ancient lich
282926 | Zig:19   | Killed an ancient lich
282926 | Zig:19   | Killed an ancient lich
282926 | Zig:19   | Killed an ancient lich
282926 | Zig:19   | Killed a dread lich
282926 | Zig:19   | Killed an ancient lich
282926 | Zig:19   | Killed a dread lich
282926 | Zig:19   | Killed a dread lich
282926 | Zig:19   | Killed an ancient lich
282926 | Zig:19   | Killed an ancient lich
282927 | Zig:19   | Killed a dread lich
282927 | Zig:19   | Killed an ancient lich
282927 | Zig:19   | Killed an ancient lich
282927 | Zig:19   | Killed an ancient lich
282927 | Zig:19   | Noticed a dread lich
282928 | Zig:19   | Killed a dread lich
282928 | Zig:19   | Killed a dread lich
282929 | Zig:19   | Noticed a dread lich
282931 | Zig:19   | Killed a dread lich
282931 | Zig:19   | Noticed a dread lich
282931 | Zig:19   | Noticed a dread lich
282931 | Zig:19   | Noticed a dread lich
282931 | Zig:19   | Noticed an ancient lich
282932 | Zig:19   | Noticed a dread lich
282932 | Zig:19   | Noticed a dread lich
282932 | Zig:19   | Killed a dread lich
282932 | Zig:19   | Killed a dread lich
282933 | Zig:19   | Killed a dread lich
282933 | Zig:19   | Killed a dread lich
282933 | Zig:19   | Killed an ancient lich
282933 | Zig:19   | Killed a dread lich
282933 | Zig:19   | Noticed an ancient lich
282933 | Zig:19   | Noticed a dread lich
282933 | Zig:19   | Noticed an ancient lich
282934 | Zig:19   | Noticed a dread lich
282934 | Zig:19   | Noticed an ancient lich
282935 | Zig:19   | Noticed a dread lich
282935 | Zig:19   | Noticed an ancient lich
282935 | Zig:19   | Killed an ancient lich
282935 | Zig:19   | Killed an ancient lich
282935 | Zig:19   | Killed an ancient lich
282936 | Zig:19   | Killed an ancient lich
282936 | Zig:19   | Killed a dread lich
282937 | Zig:19   | Noticed an ancient lich
282937 | Zig:19   | Noticed a dread lich
282937 | Zig:19   | Noticed an ancient lich
282938 | Zig:19   | Killed a dread lich
282938 | Zig:19   | Killed an ancient lich
282939 | Zig:19   | Noticed a dread lich
282939 | Zig:19   | Noticed an ancient lich
282939 | Zig:19   | Killed a dread lich
282939 | Zig:19   | Noticed a dread lich
282940 | Zig:19   | Noticed an ancient lich
282940 | Zig:19   | Killed a dread lich
282940 | Zig:19   | Killed an ancient lich
282940 | Zig:19   | Killed a dread lich
282940 | Zig:19   | Noticed an ancient lich
282942 | Zig:19   | Killed an ancient lich
282942 | Zig:19   | Killed an ancient lich
282942 | Zig:19   | Killed a dread lich
282942 | Zig:19   | Killed an ancient lich
282942 | Zig:19   | Noticed an ancient lich
282942 | Zig:19   | Noticed an ancient lich
282942 | Zig:19   | Noticed a dread lich
282942 | Zig:19   | Noticed a dread lich
282942 | Zig:19   | Noticed an ancient lich
282943 | Zig:19   | Noticed an ancient lich
282943 | Zig:19   | Noticed a dread lich
282944 | Zig:19   | Killed a dread lich
282944 | Zig:19   | Killed a dread lich
282944 | Zig:19   | Killed an ancient lich
282945 | Zig:19   | Killed an ancient lich
282945 | Zig:19   | Killed an ancient lich
282945 | Zig:19   | Killed an ancient lich
282945 | Zig:19   | Killed a dread lich
282945 | Zig:19   | Noticed an ancient lich
282945 | Zig:19   | Noticed an ancient lich
282946 | Zig:19   | Noticed a dread lich
282946 | Zig:19   | Noticed a dread lich
282946 | Zig:19   | Noticed a dread lich
282946 | Zig:19   | Noticed an ancient lich
282947 | Zig:19   | Killed an ancient lich
282947 | Zig:19   | Killed an ancient lich
282947 | Zig:19   | Killed a dread lich
282947 | Zig:19   | Killed a dread lich
282948 | Zig:19   | Killed a dread lich
282948 | Zig:19   | Killed an ancient lich
282948 | Zig:19   | Noticed an ancient lich
282949 | Zig:19   | Noticed a dread lich
282949 | Zig:19   | Noticed an ancient lich
282949 | Zig:19   | Noticed an ancient lich
282950 | Zig:19   | Killed a dread lich
282950 | Zig:19   | Killed an ancient lich
282950 | Zig:19   | Killed an ancient lich
282951 | Zig:19   | Killed an ancient lich
282951 | Zig:19   | Noticed an ancient lich
282951 | Zig:19   | Noticed a dread lich
282952 | Zig:19   | Noticed a dread lich
282952 | Zig:19   | Noticed an ancient lich
282954 | Zig:19   | Killed an ancient lich
282954 | Zig:19   | Killed a dread lich
282954 | Zig:19   | Killed a dread lich
282954 | Zig:19   | Killed an ancient lich
282954 | Zig:19   | Noticed a dread lich
282957 | Zig:19   | Killed a dread lich
282958 | Zig:19   | Noticed an ancient lich
282960 | Zig:19   | Killed an ancient lich
283002 | Zig:19   | Identified the amulet of Itrebox {Faith +Inv}
283043 | Zig:19   | Identified the +9 halberd of Mens Rea {drain, rCorr Int-5
                  | Stlth+}
283049 | Zig:19   | Identified the ring "Dystugh" {rPois Dex+2}
283054 | Zig:19   | Identified the +3 plate armour of Sorcery {rF+ Dex+3
                  | Stlth-}
283063 | Zig:19   | Identified the +0 plate armour "Udghalem" {rF+++ Regen+
                  | Dex-2}
283125 | Zig:19   | Identified the ring "Riruter" {Fly rC+}
283127 | Zig:19   | Identified the ring of Conformity {rF- Will+ Int+9 SInv}
283393 | Zig:20   | Entered Level 20 of a ziggurat
283393 | Zig:20   | Noticed Dukilout the pandemonium lord
283393 | Zig:20   | Noticed Xeram the pandemonium lord
283393 | Zig:20   | Noticed Ireumecu the pandemonium lord
283393 | Zig:20   | Noticed Leneskez the pandemonium lord
283393 | Zig:20   | Noticed Kitseoph the pandemonium lord
283393 | Zig:20   | Noticed Jijikof the pandemonium lord
283393 | Zig:20   | Noticed Guuwoxky the pandemonium lord
283393 | Zig:20   | Noticed Tuca the pandemonium lord
283393 | Zig:20   | Noticed Macwutro the pandemonium lord
283393 | Zig:20   | Noticed Kuirid the pandemonium lord
283393 | Zig:20   | Noticed Guibb the pandemonium lord
283393 | Zig:20   | Noticed Awyhiv the pandemonium lord
283393 | Zig:20   | Noticed Epo Oweh the pandemonium lord
283393 | Zig:20   | Noticed Luush the pandemonium lord
283393 | Zig:20   | Noticed Fuevyedghok the pandemonium lord
283393 | Zig:20   | Noticed Vaschivoin the pandemonium lord
283393 | Zig:20   | Noticed Buasam the pandemonium lord
283393 | Zig:20   | Noticed Sosoid the pandemonium lord
283393 | Zig:20   | Noticed Ziusmis the pandemonium lord
283393 | Zig:20   | Noticed Mylul the pandemonium lord
283393 | Zig:20   | Noticed Aseurren the pandemonium lord
283393 | Zig:20   | Noticed Lamp the pandemonium lord
283393 | Zig:20   | Noticed Varirrol the pandemonium lord
283393 | Zig:20   | Noticed Dalelyqure the pandemonium lord
283393 | Zig:20   | Noticed Cefri the pandemonium lord
283393 | Zig:20   | Noticed Lihaxtim the pandemonium lord
283393 | Zig:20   | Noticed Zeal the pandemonium lord
283393 | Zig:20   | Noticed Tul Teb the pandemonium lord
283393 | Zig:20   | Noticed Kigeihay the pandemonium lord
283393 | Zig:20   | Noticed Rapheipp the pandemonium lord
283393 | Zig:20   | Noticed Reunwoso the pandemonium lord
283393 | Zig:20   | Noticed Ruast the pandemonium lord
283394 | Zig:20   | Killed Xeram the pandemonium lord
283394 | Zig:20   | Noticed Exzorite the pandemonium lord
283395 | Zig:20   | Noticed Urphionn the pandemonium lord
283395 | Zig:20   | Noticed Weireuph the pandemonium lord
283396 | Zig:20   | Noticed Ysoetat the pandemonium lord
283396 | Zig:20   | Noticed Paqeghual the pandemonium lord
283396 | Zig:20   | Noticed Conem Quuda the pandemonium lord
283396 | Zig:20   | Killed Cefri the pandemonium lord
283396 | Zig:20   | Killed Mylul the pandemonium lord
283396 | Zig:20   | Killed Luush the pandemonium lord
283396 | Zig:20   | Killed Buasam the pandemonium lord
283396 | Zig:20   | Killed Conem Quuda the pandemonium lord
283396 | Zig:20   | Noticed Ugruupiq the pandemonium lord
283397 | Zig:20   | Killed Zeal the pandemonium lord
283397 | Zig:20   | Killed Tul Teb the pandemonium lord
283397 | Zig:20   | Killed Varirrol the pandemonium lord
283397 | Zig:20   | Killed Fuevyedghok the pandemonium lord
283397 | Zig:20   | Killed Vaschivoin the pandemonium lord
283397 | Zig:20   | Killed Guuwoxky the pandemonium lord
283397 | Zig:20   | Killed Rapheipp the pandemonium lord
283397 | Zig:20   | Killed Reunwoso the pandemonium lord
283397 | Zig:20   | Killed Dalelyqure the pandemonium lord
283397 | Zig:20   | Noticed Ycoigeyt the pandemonium lord
283397 | Zig:20   | Noticed Nodiefuja the pandemonium lord
283397 | Zig:20   | Killed Epo Oweh the pandemonium lord
283397 | Zig:20   | Noticed Aczan the pandemonium lord
283397 | Zig:20   | Noticed Udisoul the pandemonium lord
283398 | Zig:20   | Killed Aseurren the pandemonium lord
283398 | Zig:20   | Killed Ugruupiq the pandemonium lord
283398 | Zig:20   | Killed Guibb the pandemonium lord
283398 | Zig:20   | Noticed Lulish the pandemonium lord
283399 | Zig:20   | Killed Kigeihay the pandemonium lord
283399 | Zig:20   | Killed Awyhiv the pandemonium lord
283399 | Zig:20   | Killed Weireuph the pandemonium lord
283399 | Zig:20   | Killed Lihaxtim the pandemonium lord
283399 | Zig:20   | Killed Sosoid the pandemonium lord
283399 | Zig:20   | Killed Aczan the pandemonium lord
283399 | Zig:20   | Killed Urphionn the pandemonium lord
283399 | Zig:20   | Noticed Veucvicu the pandemonium lord
283400 | Zig:20   | Killed Macwutro the pandemonium lord
283400 | Zig:20   | Killed Dukilout the pandemonium lord
283400 | Zig:20   | Killed Jijikof the pandemonium lord
283400 | Zig:20   | Killed Kitseoph the pandemonium lord
283400 | Zig:20   | Killed Ruast the pandemonium lord
283400 | Zig:20   | Noticed Zoac the pandemonium lord
283400 | Zig:20   | Noticed Uchax the pandemonium lord
283400 | Zig:20   | Killed Ycoigeyt the pandemonium lord
283401 | Zig:20   | Killed Ziusmis the pandemonium lord
283401 | Zig:20   | Killed Nodiefuja the pandemonium lord
283401 | Zig:20   | Killed Lamp the pandemonium lord
283401 | Zig:20   | Killed Udisoul the pandemonium lord
283401 | Zig:20   | Killed Exzorite the pandemonium lord
283401 | Zig:20   | Killed Ysoetat the pandemonium lord
283401 | Zig:20   | Killed Ireumecu the pandemonium lord
283401 | Zig:20   | Killed Tuca the pandemonium lord
283402 | Zig:20   | Killed Lulish the pandemonium lord
283402 | Zig:20   | Noticed Kobreogg the pandemonium lord
283402 | Zig:20   | Noticed Araorche the pandemonium lord
283402 | Zig:20   | Killed Paqeghual the pandemonium lord
283402 | Zig:20   | Noticed Vaver the pandemonium lord
283403 | Zig:20   | Killed Vaver the pandemonium lord
283403 | Zig:20   | Killed Leneskez the pandemonium lord
283403 | Zig:20   | Killed Kuirid the pandemonium lord
283403 | Zig:20   | Noticed Exig the pandemonium lord
283404 | Zig:20   | Killed Uchax the pandemonium lord
283404 | Zig:20   | Noticed Ivougrea the pandemonium lord
283404 | Zig:20   | Noticed Beankegg the pandemonium lord
283405 | Zig:20   | Noticed Uschooss the pandemonium lord
283405 | Zig:20   | Noticed Ompiqav the pandemonium lord
283405 | Zig:20   | Noticed Neidghyess the pandemonium lord
283406 | Zig:20   | Killed Kobreogg the pandemonium lord
283406 | Zig:20   | Killed Veucvicu the pandemonium lord
283406 | Zig:20   | Killed Ivougrea the pandemonium lord
283406 | Zig:20   | Noticed Wonnilor the pandemonium lord
283406 | Zig:20   | Noticed Lozugh the pandemonium lord
283406 | Zig:20   | Noticed Ifethro the pandemonium lord
283407 | Zig:20   | Killed Araorche the pandemonium lord
283407 | Zig:20   | Killed Exig the pandemonium lord
283407 | Zig:20   | Killed Ompiqav the pandemonium lord
283407 | Zig:20   | Noticed Zarish the pandemonium lord
283407 | Zig:20   | Noticed Ymizaidghu the pandemonium lord
283407 | Zig:20   | Noticed Kas Faburyu the pandemonium lord
283408 | Zig:20   | Killed Kas Faburyu the pandemonium lord
283408 | Zig:20   | Noticed Enuatu the pandemonium lord
283408 | Zig:20   | Noticed Yzaubuuse the pandemonium lord
283408 | Zig:20   | Noticed Waraiz the pandemonium lord
283409 | Zig:20   | Killed Zoac the pandemonium lord
283409 | Zig:20   | Killed Neidghyess the pandemonium lord
283409 | Zig:20   | Noticed Luohej the pandemonium lord
283409 | Zig:20   | Noticed Lejix the pandemonium lord
283410 | Zig:20   | Noticed Opuux the pandemonium lord
283410 | Zig:20   | Killed Wonnilor the pandemonium lord
283410 | Zig:20   | Killed Ymizaidghu the pandemonium lord
283410 | Zig:20   | Killed Lozugh the pandemonium lord
283410 | Zig:20   | Noticed Egrecer the pandemonium lord
283411 | Zig:20   | Killed Zarish the pandemonium lord
283411 | Zig:20   | Killed Yzaubuuse the pandemonium lord
283411 | Zig:20   | Killed Enuatu the pandemonium lord
283411 | Zig:20   | Killed Opuux the pandemonium lord
283411 | Zig:20   | Killed Ifethro the pandemonium lord
283411 | Zig:20   | Killed Beankegg the pandemonium lord
283411 | Zig:20   | Killed Lejix the pandemonium lord
283411 | Zig:20   | Noticed Tuomang the pandemonium lord
283412 | Zig:20   | Killed Uschooss the pandemonium lord
283412 | Zig:20   | Noticed Wevelisy the pandemonium lord
283412 | Zig:20   | Noticed Rejida the pandemonium lord
283413 | Zig:20   | Banished Tuomang the pandemonium lord
283413 | Zig:20   | Noticed Mahilebb the pandemonium lord
283413 | Zig:20   | Noticed Oqurphapp the pandemonium lord
283414 | Zig:20   | Killed Luohej the pandemonium lord
283414 | Zig:20   | Noticed Ylynt the pandemonium lord
283414 | Zig:20   | Noticed Uwiceus the pandemonium lord
283414 | Zig:20   | Killed Egrecer the pandemonium lord
283415 | Zig:20   | Noticed Hixesody the pandemonium lord
283415 | Zig:20   | Killed Waraiz the pandemonium lord
283415 | Zig:20   | Noticed Payratopp the pandemonium lord
283415 | Zig:20   | Killed Mahilebb the pandemonium lord
283415 | Zig:20   | Noticed Qepnongu the pandemonium lord
283416 | Zig:20   | Killed Oqurphapp the pandemonium lord
283416 | Zig:20   | Noticed Biysu the pandemonium lord
283416 | Zig:20   | Noticed Alohyes the pandemonium lord
283417 | Zig:20   | Killed Uwiceus the pandemonium lord
283417 | Zig:20   | Killed Rejida the pandemonium lord
283417 | Zig:20   | Killed Payratopp the pandemonium lord
283417 | Zig:20   | Killed Wevelisy the pandemonium lord
283417 | Zig:20   | Killed Ylynt the pandemonium lord
283417 | Zig:20   | Noticed Halanuloi the pandemonium lord
283417 | Zig:20   | Noticed Aridgh the pandemonium lord
283417 | Zig:20   | Noticed Buj Jenu the pandemonium lord
283418 | Zig:20   | Noticed Tidifij the pandemonium lord
283420 | Zig:20   | Killed Qepnongu the pandemonium lord
283420 | Zig:20   | Killed Alohyes the pandemonium lord
283420 | Zig:20   | Killed Hixesody the pandemonium lord
283420 | Zig:20   | Noticed Tiahoane the pandemonium lord
283420 | Zig:20   | Noticed Yppyumm the pandemonium lord
283420 | Zig:20   | Noticed Guhuirax the pandemonium lord
283421 | Zig:20   | Killed Biysu the pandemonium lord
283421 | Zig:20   | Killed Buj Jenu the pandemonium lord
283421 | Zig:20   | Noticed Naxtij the pandemonium lord
283421 | Zig:20   | Killed Halanuloi the pandemonium lord
283422 | Zig:20   | Noticed Awiceupt the pandemonium lord
283422 | Zig:20   | Noticed Pebreh the pandemonium lord
283423 | Zig:20   | Killed Aridgh the pandemonium lord
283423 | Zig:20   | Noticed Byeh the pandemonium lord
283424 | Zig:20   | Killed Tidifij the pandemonium lord
283424 | Zig:20   | Noticed Utacs the pandemonium lord
283425 | Zig:20   | Killed Awiceupt the pandemonium lord
283425 | Zig:20   | Noticed Moil the pandemonium lord
283425 | Zig:20   | Noticed Pepsiso the pandemonium lord
283426 | Zig:20   | Killed Tiahoane the pandemonium lord
283426 | Zig:20   | Killed Pebreh the pandemonium lord
283426 | Zig:20   | Noticed Ikhleuhom the pandemonium lord
283426 | Zig:20   | Killed Byeh the pandemonium lord
283426 | Zig:20   | Noticed Bisiodic the pandemonium lord
283427 | Zig:20   | Killed Moil the pandemonium lord
283427 | Zig:20   | Killed Guhuirax the pandemonium lord
283428 | Zig:20   | Killed Pepsiso the pandemonium lord
283428 | Zig:20   | Killed Naxtij the pandemonium lord
283428 | Zig:20   | Killed Utacs the pandemonium lord
283428 | Zig:20   | Killed Yppyumm the pandemonium lord
283428 | Zig:20   | Noticed Esio the pandemonium lord
283428 | Zig:20   | Noticed Mashungu the pandemonium lord
283428 | Zig:20   | Noticed Berch the pandemonium lord
283428 | Zig:20   | Noticed Ytydewn the pandemonium lord
283429 | Zig:20   | Killed Berch the pandemonium lord
283429 | Zig:20   | Killed Ikhleuhom the pandemonium lord
283429 | Zig:20   | Noticed Gobut the pandemonium lord
283430 | Zig:20   | Killed Esio the pandemonium lord
283431 | Zig:20   | Killed Bisiodic the pandemonium lord
283431 | Zig:20   | Noticed Rasui the pandemonium lord
283431 | Zig:20   | Noticed Socs the pandemonium lord
283431 | Zig:20   | Noticed Umumerph the pandemonium lord
283431 | Zig:20   | Noticed Cor Weqi the pandemonium lord
283432 | Zig:20   | Killed Gobut the pandemonium lord
283432 | Zig:20   | Killed Umumerph the pandemonium lord
283433 | Zig:20   | Noticed Gowoish the pandemonium lord
283433 | Zig:20   | Noticed Fech the pandemonium lord
283434 | Zig:20   | Killed Rasui the pandemonium lord
283434 | Zig:20   | Killed Socs the pandemonium lord
283434 | Zig:20   | Noticed Ecuutsow the pandemonium lord
283435 | Zig:20   | Killed Mashungu the pandemonium lord
283435 | Zig:20   | Killed Cor Weqi the pandemonium lord
283435 | Zig:20   | Noticed Paisah the pandemonium lord
283435 | Zig:20   | Noticed Dosixon the pandemonium lord
283437 | Zig:20   | Noticed Aschos the pandemonium lord
283438 | Zig:20   | Killed Fech the pandemonium lord
283438 | Zig:20   | Killed Aschos the pandemonium lord
283438 | Zig:20   | Killed Gowoish the pandemonium lord
283438 | Zig:20   | Killed Ytydewn the pandemonium lord
283438 | Zig:20   | Noticed Yjiria the pandemonium lord
283438 | Zig:20   | Noticed Nirir the pandemonium lord
283439 | Zig:20   | Killed Ecuutsow the pandemonium lord
283439 | Zig:20   | Noticed Sen Noxe the pandemonium lord
283439 | Zig:20   | Noticed Myasuwog the pandemonium lord
283439 | Zig:20   | Noticed Xulel the pandemonium lord
283440 | Zig:20   | Killed Dosixon the pandemonium lord
283440 | Zig:20   | Noticed Fivum the pandemonium lord
283441 | Zig:20   | Killed Nirir the pandemonium lord
283441 | Zig:20   | Killed Paisah the pandemonium lord
283441 | Zig:20   | Noticed Acseafe the pandemonium lord
283442 | Zig:20   | Killed Yjiria the pandemonium lord
283442 | Zig:20   | Killed Fivum the pandemonium lord
283442 | Zig:20   | Killed Sen Noxe the pandemonium lord
283442 | Zig:20   | Noticed Uhaomiqi the pandemonium lord
283443 | Zig:20   | Killed Xulel the pandemonium lord
283443 | Zig:20   | Killed Acseafe the pandemonium lord
283443 | Zig:20   | Killed Myasuwog the pandemonium lord
283443 | Zig:20   | Noticed Lougheuk the pandemonium lord
283445 | Zig:20   | Killed Uhaomiqi the pandemonium lord
283445 | Zig:20   | Noticed Ubiol the pandemonium lord
283445 | Zig:20   | Noticed Defy the pandemonium lord
283446 | Zig:20   | Noticed Tuogupho the pandemonium lord
283446 | Zig:20   | Noticed Lagodeyg the pandemonium lord
283447 | Zig:20   | Killed Defy the pandemonium lord
283448 | Zig:20   | Killed Ubiol the pandemonium lord
283448 | Zig:20   | Killed Lagodeyg the pandemonium lord
283449 | Zig:20   | Killed Tuogupho the pandemonium lord
283449 | Zig:20   | Noticed Qiat the pandemonium lord
283450 | Zig:20   | Noticed Siebij the pandemonium lord
283450 | Zig:20   | Noticed Nukoarab the pandemonium lord
283451 | Zig:20   | Killed Lougheuk the pandemonium lord
283451 | Zig:20   | Noticed Icitegg the pandemonium lord
283451 | Zig:20   | Noticed Zezim the pandemonium lord
283452 | Zig:20   | Killed Siebij the pandemonium lord
283452 | Zig:20   | Noticed Tenguzer the pandemonium lord
283453 | Zig:20   | Killed Icitegg the pandemonium lord
283453 | Zig:20   | Killed Nukoarab the pandemonium lord
283454 | Zig:20   | Noticed Dystrakh the pandemonium lord
283455 | Zig:20   | Noticed Ypsi the pandemonium lord
283455 | Zig:20   | Noticed Osiqesy the pandemonium lord
283455 | Zig:20   | Noticed Miuzev the pandemonium lord
283455 | Zig:20   | Noticed Ruffoakh the pandemonium lord
283458 | Zig:20   | Killed Tenguzer the pandemonium lord
283459 | Zig:20   | Killed Qiat the pandemonium lord
283459 | Zig:20   | Killed Wanuavia the pandemonium lord
283460 | Zig:20   | Killed Zezim the pandemonium lord
283460 | Zig:20   | Killed Ruffoakh the pandemonium lord
283460 | Zig:20   | Killed Miuzev the pandemonium lord
283460 | Zig:20   | Noticed Unkim the pandemonium lord
283461 | Zig:20   | Killed Osiqesy the pandemonium lord
283462 | Zig:20   | Killed Ypsi the pandemonium lord
283462 | Zig:20   | Killed Dystrakh the pandemonium lord
283463 | Zig:20   | Noticed Manikej the pandemonium lord
283464 | Zig:20   | Killed Unkim the pandemonium lord
283465 | Zig:20   | Noticed Xogogh the pandemonium lord
283469 | Zig:20   | Killed Manikej the pandemonium lord
283485 | Zig:20   | Killed Xogogh the pandemonium lord
283526 | Zig:20   | Identified the +9 mace "Otonli" {spect, rC+}
283529 | Zig:20   | Identified the ring of Qapsoz {Ice rN+}
283538 | Zig:20   | Identified the ring of Qazlal's Respect {^Drain MP+9 AC+4
                  | Str+6}
283541 | Zig:20   | Identified the +0 plate armour of Veuruz {Stlth+}
283543 | Zig:20   | Identified the +1 ring mail of the Depths {Stlth+}
283793 | Zig:20   | Identified the ring "Futinaiduo" {rElec rC+ Str+3}
283813 | Zig:20   | Identified the +11 shortbow "Uclia" {freeze, Dex+3}
283814 | Zig:20   | Identified the ring "Imigimu" {Fly rElec Will+}
283824 | Zig:20   | Identified the +2 pair of boots "Rudiw" {rF+}
283825 | Zig:20   | Identified the +7 arbalest of the Final Chapter {drain,
                  | rElec rN+++ Str-4 Int-2}
283840 | Zig:21   | Entered Level 21 of a ziggurat
283888 | Zig:21   | Identified the +1 chain mail "Jyl Fedd" {rC+ rCorr Slay-2}
283890 | Zig:21   | Identified the +8 chain mail "Oluilish" {Will+ MP+9}
283913 | Zig:21   | Identified the +0 leather armour of Beogh's Fury {Will+
                  | Str-3 Dex+4}
283920 | Zig:21   | Identified the +4 flail "Plog" {flame, rN+}
283924 | Zig:21   | Identified the +4 ring mail of the Old and Reckless {rPois
                  | rF+}
283933 | Zig:21   | Identified the staff of Destiny {+Blink Will- Int+3 Dex+4
                  | Earth}
283940 | Zig:21   | Identified the +4 chain mail of Greed {rPois rC- Dex+7
                  | Stlth+}
283958 | Zig:21   | Identified the +1 robe of Winter {Will++}
283965 | Zig:21   | Identified the +6 morningstar of Dung {antimagic, rElec rF+
                  | Dex-2 Stlth+}
283968 | Zig:21   | Identified the +2 falchion "Itokhlop" {flame, rF- rN++}
284024 | Zig:21   | Identified the amulet of Nootyol {Faith rPois Str+2 SInv}
284423 | Zig:22   | Entered Level 22 of a ziggurat
284470 | Zig:22   | Identified the amulet of Diuf {Faith rC+}
284472 | Zig:22   | Identified the +6 war axe of Iplicya {elec, rF+ Will+ Str+2
                  | Stlth+}
284492 | Zig:22   | Identified the +6 dire flail "Beetleslayer" {freeze, Will-
                  | Str+9}
284504 | Zig:22   | Identified the staff of the Tent {^Fragile rElec rN+ Dex+3
                  | Necro}
284508 | Zig:22   | Identified the +7 falchion of War {venom, rC+ Str+3 Stlth-}
284800 | Zig:22   | Identified the amulet of Hineley {Spirit *Slow Fly Str+8}
284899 | Zig:22   | Identified the +7 hand axe of Nemmec {heavy, rPois rC+ rN+
                  | Stlth+}
284900 | Zig:22   | Identified the amulet of Desertification {Acrobat Slay+2}
284910 | Zig:22   | Identified the +2 kite shield of Chill Winds {Will++}
284912 | Zig:22   | Identified the +0 scimitar of a wizard's laboratory {heavy,
                  | Dex+3 SInv}
284915 | Zig:22   | Identified the ring of Coohoimn {rC- rN+ AC+4 Dex+4}
284939 | Zig:22   | Identified the amulet "Bevagos" {Acrobat Str+3}
284942 | Zig:22   | Identified the ring of Riplul {Fire *Corrode +Blink Str-5
                  | Dex+9}
285002 | Zig:23   | Entered Level 23 of a ziggurat
285002 | Zig:23   | Noticed a dread lich
285002 | Zig:23   | Noticed an ancient lich
285002 | Zig:23   | Noticed a dread lich
285002 | Zig:23   | Noticed a dread lich
285002 | Zig:23   | Noticed a dread lich
285002 | Zig:23   | Noticed a dread lich
285002 | Zig:23   | Noticed a dread lich
285002 | Zig:23   | Noticed an ancient lich
285002 | Zig:23   | Noticed a dread lich
285002 | Zig:23   | Noticed an ancient lich
285002 | Zig:23   | Noticed a dread lich
285002 | Zig:23   | Noticed an ancient lich
285002 | Zig:23   | Noticed a dread lich
285002 | Zig:23   | Noticed an ancient lich
285002 | Zig:23   | Noticed a dread lich
285002 | Zig:23   | Noticed a dread lich
285002 | Zig:23   | Noticed an ancient lich
285002 | Zig:23   | Noticed a dread lich
285002 | Zig:23   | Noticed an ancient lich
285002 | Zig:23   | Noticed an ancient lich
285002 | Zig:23   | Noticed a dread lich
285003 | Zig:23   | Killed an ancient lich
285003 | Zig:23   | Killed a dread lich
285003 | Zig:23   | Killed a dread lich
285003 | Zig:23   | Killed a dread lich
285003 | Zig:23   | Killed a dread lich
285003 | Zig:23   | Killed a dread lich
285003 | Zig:23   | Killed an ancient lich
285003 | Zig:23   | Killed a dread lich
285004 | Zig:23   | Killed a dread lich
285004 | Zig:23   | Killed an ancient lich
285004 | Zig:23   | Killed a dread lich
285004 | Zig:23   | Killed a dread lich
285004 | Zig:23   | Killed an ancient lich
285004 | Zig:23   | Killed a dread lich
285004 | Zig:23   | Killed a dread lich
285004 | Zig:23   | Killed an ancient lich
285004 | Zig:23   | Killed an ancient lich
285004 | Zig:23   | Killed a dread lich
285004 | Zig:23   | Killed an ancient lich
285004 | Zig:23   | Killed a dread lich
285004 | Zig:23   | Noticed a dread lich
285004 | Zig:23   | Noticed an ancient lich
285004 | Zig:23   | Noticed an ancient lich
285004 | Zig:23   | Noticed a dread lich
285005 | Zig:23   | Killed an ancient lich
285005 | Zig:23   | Killed an ancient lich
285005 | Zig:23   | Killed a dread lich
285005 | Zig:23   | Noticed a dread lich
285005 | Zig:23   | Noticed an ancient lich
285005 | Zig:23   | Noticed an ancient lich
285006 | Zig:23   | Killed a dread lich
285006 | Zig:23   | Killed an ancient lich
285006 | Zig:23   | Killed an ancient lich
285007 | Zig:23   | Noticed an ancient lich
285007 | Zig:23   | Noticed a dread lich
285007 | Zig:23   | Noticed a dread lich
285007 | Zig:23   | Noticed an ancient lich
285007 | Zig:23   | Noticed an ancient lich
285007 | Zig:23   | Noticed a dread lich
285007 | Zig:23   | Noticed an ancient lich
285008 | Zig:23   | Noticed a dread lich
285008 | Zig:23   | Killed an ancient lich
285008 | Zig:23   | Killed a dread lich
285008 | Zig:23   | Killed an ancient lich
285008 | Zig:23   | Killed an ancient lich
285008 | Zig:23   | Killed an ancient lich
285008 | Zig:23   | Killed a dread lich
285008 | Zig:23   | Killed a dread lich
285008 | Zig:23   | Noticed a dread lich
285009 | Zig:23   | Noticed a dread lich
285009 | Zig:23   | Noticed an ancient lich
285009 | Zig:23   | Noticed a dread lich
285009 | Zig:23   | Noticed a dread lich
285009 | Zig:23   | Noticed a dread lich
285010 | Zig:23   | Killed a dread lich
285010 | Zig:23   | Killed a dread lich
285010 | Zig:23   | Killed an ancient lich
285010 | Zig:23   | Killed a dread lich
285010 | Zig:23   | Killed an ancient lich
285010 | Zig:23   | Killed a dread lich
285011 | Zig:23   | Killed a dread lich
285011 | Zig:23   | Killed a dread lich
285011 | Zig:23   | Killed a dread lich
285012 | Zig:23   | Noticed a dread lich
285012 | Zig:23   | Noticed a dread lich
285012 | Zig:23   | Noticed a dread lich
285012 | Zig:23   | Noticed an ancient lich
285012 | Zig:23   | Noticed a dread lich
285012 | Zig:23   | Noticed a dread lich
285012 | Zig:23   | Noticed a dread lich
285012 | Zig:23   | Noticed an ancient lich
285012 | Zig:23   | Noticed a dread lich
285012 | Zig:23   | Noticed an ancient lich
285013 | Zig:23   | Killed a dread lich
285013 | Zig:23   | Killed a dread lich
285013 | Zig:23   | Killed a dread lich
285013 | Zig:23   | Killed a dread lich
285013 | Zig:23   | Killed an ancient lich
285013 | Zig:23   | Noticed a dread lich
285013 | Zig:23   | Noticed a dread lich
285013 | Zig:23   | Noticed an ancient lich
285013 | Zig:23   | Noticed an ancient lich
285014 | Zig:23   | Noticed an ancient lich
285014 | Zig:23   | Noticed a dread lich
285014 | Zig:23   | Noticed a dread lich
285014 | Zig:23   | Noticed an ancient lich
285014 | Zig:23   | Noticed a dread lich
285014 | Zig:23   | Noticed a dread lich
285014 | Zig:23   | Noticed a dread lich
285014 | Zig:23   | Noticed an ancient lich
285015 | Zig:23   | Killed an ancient lich
285015 | Zig:23   | Killed a dread lich
285015 | Zig:23   | Killed a dread lich
285015 | Zig:23   | Killed a dread lich
285015 | Zig:23   | Killed an ancient lich
285015 | Zig:23   | Killed a dread lich
285015 | Zig:23   | Killed an ancient lich
285015 | Zig:23   | Killed a dread lich
285015 | Zig:23   | Killed a dread lich
285015 | Zig:23   | Killed an ancient lich
285015 | Zig:23   | Killed an ancient lich
285015 | Zig:23   | Killed a dread lich
285015 | Zig:23   | Noticed an ancient lich
285015 | Zig:23   | Noticed a dread lich
285015 | Zig:23   | Noticed an ancient lich
285015 | Zig:23   | Noticed a dread lich
285016 | Zig:23   | Killed a dread lich
285016 | Zig:23   | Killed a dread lich
285016 | Zig:23   | Killed an ancient lich
285016 | Zig:23   | Killed a dread lich
285016 | Zig:23   | Killed an ancient lich
285016 | Zig:23   | Noticed a dread lich
285016 | Zig:23   | Noticed an ancient lich
285016 | Zig:23   | Noticed a dread lich
285017 | Zig:23   | Noticed an ancient lich
285017 | Zig:23   | Noticed a dread lich
285017 | Zig:23   | Noticed a dread lich
285017 | Zig:23   | Noticed a dread lich
285017 | Zig:23   | Noticed a dread lich
285017 | Zig:23   | Noticed an ancient lich
285017 | Zig:23   | Noticed a dread lich
285018 | Zig:23   | Noticed a dread lich
285018 | Zig:23   | Noticed an ancient lich
285018 | Zig:23   | Killed an ancient lich
285018 | Zig:23   | Killed a dread lich
285018 | Zig:23   | Killed an ancient lich
285018 | Zig:23   | Killed a dread lich
285018 | Zig:23   | Killed an ancient lich
285018 | Zig:23   | Killed a dread lich
285018 | Zig:23   | Killed an ancient lich
285018 | Zig:23   | Killed an ancient lich
285018 | Zig:23   | Killed a dread lich
285018 | Zig:23   | Killed a dread lich
285019 | Zig:23   | Killed a dread lich
285019 | Zig:23   | Killed a dread lich
285019 | Zig:23   | Killed a dread lich
285019 | Zig:23   | Killed an ancient lich
285019 | Zig:23   | Killed a dread lich
285019 | Zig:23   | Killed a dread lich
285019 | Zig:23   | Noticed an ancient lich
285019 | Zig:23   | Noticed a dread lich
285019 | Zig:23   | Noticed a dread lich
285020 | Zig:23   | Noticed a dread lich
285020 | Zig:23   | Noticed a dread lich
285020 | Zig:23   | Noticed a dread lich
285020 | Zig:23   | Noticed a dread lich
285020 | Zig:23   | Noticed an ancient lich
285021 | Zig:23   | Killed a dread lich
285021 | Zig:23   | Killed a dread lich
285022 | Zig:23   | Killed a dread lich
285022 | Zig:23   | Killed a dread lich
285022 | Zig:23   | Killed a dread lich
285022 | Zig:23   | Killed an ancient lich
285022 | Zig:23   | Killed a dread lich
285022 | Zig:23   | Killed an ancient lich
285022 | Zig:23   | Noticed a dread lich
285022 | Zig:23   | Noticed a dread lich
285022 | Zig:23   | Noticed a dread lich
285022 | Zig:23   | Noticed a dread lich
285023 | Zig:23   | Noticed an ancient lich
285023 | Zig:23   | Noticed an ancient lich
285023 | Zig:23   | Noticed a dread lich
285024 | Zig:23   | Killed a dread lich
285024 | Zig:23   | Killed a dread lich
285024 | Zig:23   | Killed an ancient lich
285025 | Zig:23   | Killed a dread lich
285025 | Zig:23   | Killed a dread lich
285025 | Zig:23   | Killed an ancient lich
285025 | Zig:23   | Killed a dread lich
285026 | Zig:23   | Noticed a dread lich
285027 | Zig:23   | Killed a dread lich
285028 | Zig:23   | Noticed an ancient lich
285028 | Zig:23   | Noticed an ancient lich
285028 | Zig:23   | Noticed a dread lich
285029 | Zig:23   | Noticed an ancient lich
285029 | Zig:23   | Noticed an ancient lich
285029 | Zig:23   | Noticed an ancient lich
285030 | Zig:23   | Killed a dread lich
285030 | Zig:23   | Killed an ancient lich
285030 | Zig:23   | Killed an ancient lich
285031 | Zig:23   | Killed an ancient lich
285031 | Zig:23   | Killed an ancient lich
285031 | Zig:23   | Killed an ancient lich
285031 | Zig:23   | Noticed a dread lich
285031 | Zig:23   | Noticed a dread lich
285032 | Zig:23   | Noticed an ancient lich
285034 | Zig:23   | Killed a dread lich
285034 | Zig:23   | Killed an ancient lich
285034 | Zig:23   | Killed a dread lich
285034 | Zig:23   | Noticed an ancient lich
285036 | Zig:23   | Killed an ancient lich
285062 | Zig:23   | Identified the +1 pearl dragon scales "Sayj" {rElec rN+
                  | Will+}
285078 | Zig:23   | Identified the +2 ring mail of a bazaar {Dex+7 Slay-5}
285096 | Zig:23   | Identified the staff of Qavvog Qysm {^Drain Dex-5 Stlth+
                  | Conj Tloc}
285119 | Zig:23   | Identified the +1 pair of boots of the Nexus {Regen+ rCorr}
285124 | Zig:23   | Identified the amulet of Satisfaction {Faith *Corrode
                  | Slay+3 SInv}
285583 | Zig:23   | Identified the +6 fire dragon scales of Cofadut {rF++ rC-
                  | Int+3}
285595 | Zig:24   | Entered Level 24 of a ziggurat
285595 | Zig:24   | Noticed a royal mummy
285595 | Zig:24   | Noticed a royal mummy
285595 | Zig:24   | Noticed a royal mummy
285595 | Zig:24   | Noticed a royal mummy
285595 | Zig:24   | Noticed a royal mummy
285595 | Zig:24   | Noticed a royal mummy
285596 | Zig:24   | Killed a royal mummy
285596 | Zig:24   | Killed a royal mummy
285596 | Zig:24   | Killed a royal mummy
285596 | Zig:24   | Killed a royal mummy
285596 | Zig:24   | Killed a royal mummy
285597 | Zig:24   | Noticed a royal mummy
285597 | Zig:24   | Noticed a royal mummy
285597 | Zig:24   | Noticed a royal mummy
285597 | Zig:24   | Noticed a royal mummy
285598 | Zig:24   | Killed a royal mummy
285598 | Zig:24   | Killed a royal mummy
285598 | Zig:24   | Noticed a royal mummy
285599 | Zig:24   | Killed a royal mummy
285599 | Zig:24   | Killed a royal mummy
285599 | Zig:24   | Killed a royal mummy
285599 | Zig:24   | Killed a royal mummy
285599 | Zig:24   | Killed a royal mummy
285599 | Zig:24   | Noticed a royal mummy
285599 | Zig:24   | Noticed a royal mummy
285599 | Zig:24   | Noticed a royal mummy
285599 | Zig:24   | Noticed a royal mummy
285600 | Zig:24   | Noticed a royal mummy
285600 | Zig:24   | Noticed a royal mummy
285601 | Zig:24   | Killed a royal mummy
285602 | Zig:24   | Killed a royal mummy
285602 | Zig:24   | Killed a royal mummy
285602 | Zig:24   | Noticed a royal mummy
285603 | Zig:24   | Noticed a royal mummy
285603 | Zig:24   | Noticed a royal mummy
285603 | Zig:24   | Killed a royal mummy
285603 | Zig:24   | Killed a royal mummy
285604 | Zig:24   | Killed a royal mummy
285604 | Zig:24   | Noticed a royal mummy
285604 | Zig:24   | Killed a royal mummy
285604 | Zig:24   | Noticed a royal mummy
285605 | Zig:24   | Noticed a royal mummy
285605 | Zig:24   | Noticed a royal mummy
285606 | Zig:24   | Killed a royal mummy
285606 | Zig:24   | Killed a royal mummy
285607 | Zig:24   | Killed a royal mummy
285607 | Zig:24   | Killed a royal mummy
285608 | Zig:24   | Killed a royal mummy
285608 | Zig:24   | Killed a royal mummy
285608 | Zig:24   | Noticed a royal mummy
285608 | Zig:24   | Noticed a royal mummy
285609 | Zig:24   | Noticed a royal mummy
285609 | Zig:24   | Noticed a royal mummy
285609 | Zig:24   | Noticed a royal mummy
285610 | Zig:24   | Killed a royal mummy
285610 | Zig:24   | Noticed a royal mummy
285611 | Zig:24   | Killed a royal mummy
285611 | Zig:24   | Killed a royal mummy
285611 | Zig:24   | Killed a royal mummy
285611 | Zig:24   | Noticed a royal mummy
285612 | Zig:24   | Noticed a royal mummy
285612 | Zig:24   | Noticed a royal mummy
285612 | Zig:24   | Noticed a royal mummy
285613 | Zig:24   | Killed a royal mummy
285613 | Zig:24   | Killed a royal mummy
285613 | Zig:24   | Killed a royal mummy
285613 | Zig:24   | Noticed a royal mummy
285614 | Zig:24   | Killed a royal mummy
285614 | Zig:24   | Killed a royal mummy
285614 | Zig:24   | Noticed a royal mummy
285616 | Zig:24   | Killed a royal mummy
285616 | Zig:24   | Killed a royal mummy
285616 | Zig:24   | Noticed a royal mummy
285616 | Zig:24   | Noticed a royal mummy
285617 | Zig:24   | Killed a royal mummy
285617 | Zig:24   | Noticed a royal mummy
285617 | Zig:24   | Noticed a royal mummy
285617 | Zig:24   | Noticed a royal mummy
285618 | Zig:24   | Killed a royal mummy
285618 | Zig:24   | Noticed a royal mummy
285618 | Zig:24   | Noticed a royal mummy
285618 | Zig:24   | Noticed a royal mummy
285618 | Zig:24   | Noticed a royal mummy
285619 | Zig:24   | Killed a royal mummy
285619 | Zig:24   | Killed a royal mummy
285619 | Zig:24   | Killed a royal mummy
285619 | Zig:24   | Noticed a royal mummy
285620 | Zig:24   | Killed a royal mummy
285620 | Zig:24   | Killed a royal mummy
285620 | Zig:24   | Killed a royal mummy
285620 | Zig:24   | Killed a royal mummy
285620 | Zig:24   | Noticed a royal mummy
285621 | Zig:24   | Noticed a royal mummy
285622 | Zig:24   | Killed a royal mummy
285623 | Zig:24   | Noticed a royal mummy
285624 | Zig:24   | Killed a royal mummy
285624 | Zig:24   | Killed a royal mummy
285624 | Zig:24   | Killed a royal mummy
285625 | Zig:24   | Noticed a royal mummy
285625 | Zig:24   | Noticed a royal mummy
285626 | Zig:24   | Killed a royal mummy
285626 | Zig:24   | Noticed a royal mummy
285628 | Zig:24   | Killed a royal mummy
285628 | Zig:24   | Noticed a royal mummy
285628 | Zig:24   | Noticed a royal mummy
285628 | Zig:24   | Noticed a royal mummy
285630 | Zig:24   | Killed a royal mummy
285630 | Zig:24   | Killed a royal mummy
285630 | Zig:24   | Noticed a royal mummy
285630 | Zig:24   | Noticed a royal mummy
285631 | Zig:24   | Killed a royal mummy
285631 | Zig:24   | Killed a royal mummy
285633 | Zig:24   | Killed a royal mummy
285633 | Zig:24   | Killed a royal mummy
285633 | Zig:24   | Killed a royal mummy
285657 | Zig:24   | Identified the +3 flail of the Incandescent {pain, rN+}
285666 | Zig:24   | Identified the +4 demon blade of Pandemonium {elec, Int+3}
285676 | Zig:24   | Identified the +7 quarterstaff "Nannanne" {drain, Stlth+}
285679 | Zig:24   | Identified the +0 chain mail of Fashionability {rElec
                  | Will++ Dex-5 Stlth-}
285683 | Zig:24   | Identified the +2 robe "Xyefaupn" {rCorr}
285690 | Zig:24   | Identified the +0 ring mail of Generosity {^Contam Will+
                  | Str+5 Dex+5}
285699 | Zig:24   | Identified the ring of Equivalence {Fire Str+2}
286157 | Zig:25   | Entered Level 25 of a ziggurat
286157 | Zig:25   | Noticed Memogur the pandemonium lord
286157 | Zig:25   | Noticed Qeteras the pandemonium lord
286157 | Zig:25   | Noticed Fuohov the pandemonium lord
286157 | Zig:25   | Noticed Ceyts the pandemonium lord
286157 | Zig:25   | Noticed Acrorph the pandemonium lord
286157 | Zig:25   | Noticed Olid the pandemonium lord
286157 | Zig:25   | Noticed Papo the pandemonium lord
286157 | Zig:25   | Noticed Kianagh the pandemonium lord
286157 | Zig:25   | Noticed Xopuathi the pandemonium lord
286157 | Zig:25   | Noticed Ludumpeso the pandemonium lord
286157 | Zig:25   | Noticed Jus Toni the pandemonium lord
286157 | Zig:25   | Noticed Wehicahu the pandemonium lord
286157 | Zig:25   | Noticed Lum Vuso the pandemonium lord
286157 | Zig:25   | Noticed Jesem the pandemonium lord
286157 | Zig:25   | Noticed Pyreism the pandemonium lord
286157 | Zig:25   | Noticed Emifig the pandemonium lord
286157 | Zig:25   | Noticed Wuthyomp the pandemonium lord
286157 | Zig:25   | Noticed Jihunus the pandemonium lord
286157 | Zig:25   | Noticed Utuchem the pandemonium lord
286157 | Zig:25   | Noticed Muratut the pandemonium lord
286157 | Zig:25   | Noticed Vaqaz the pandemonium lord
286157 | Zig:25   | Noticed Luuk the pandemonium lord
286157 | Zig:25   | Noticed Lososoth the pandemonium lord
286157 | Zig:25   | Noticed Koriqy the pandemonium lord
286157 | Zig:25   | Noticed Etigiah the pandemonium lord
286157 | Zig:25   | Noticed Muihevay the pandemonium lord
286157 | Zig:25   | Noticed Siexuod the pandemonium lord
286157 | Zig:25   | Noticed Nytumi the pandemonium lord
286157 | Zig:25   | Noticed Sikhom Jan the pandemonium lord
286157 | Zig:25   | Noticed Xoesin the pandemonium lord
286157 | Zig:25   | Noticed Reaqywiu the pandemonium lord
286157 | Zig:25   | Noticed Zoefiung the pandemonium lord
286157 | Zig:25   | Noticed Pist the pandemonium lord
286158 | Zig:25   | Noticed Amof the pandemonium lord
286158 | Zig:25   | Noticed Sutto the pandemonium lord
286158 | Zig:25   | Noticed Plog the pandemonium lord
286158 | Zig:25   | Noticed Gos Mien the pandemonium lord
286159 | Zig:25   | Killed Qeteras the pandemonium lord
286160 | Zig:25   | Killed Luuk the pandemonium lord
286160 | Zig:25   | Killed Sikhom Jan the pandemonium lord
286160 | Zig:25   | Killed Etigiah the pandemonium lord
286160 | Zig:25   | Killed Jihunus the pandemonium lord
286160 | Zig:25   | Killed Ludumpeso the pandemonium lord
286160 | Zig:25   | Killed Olid the pandemonium lord
286160 | Zig:25   | Killed Nytumi the pandemonium lord
286160 | Zig:25   | Killed Vaqaz the pandemonium lord
286160 | Zig:25   | Killed Kianagh the pandemonium lord
286160 | Zig:25   | Killed Koriqy the pandemonium lord
286160 | Zig:25   | Killed Reaqywiu the pandemonium lord
286161 | Zig:25   | Killed Zoefiung the pandemonium lord
286161 | Zig:25   | Killed Pist the pandemonium lord
286161 | Zig:25   | Killed Lum Vuso the pandemonium lord
286161 | Zig:25   | Killed Xopuathi the pandemonium lord
286161 | Zig:25   | Killed Emifig the pandemonium lord
286161 | Zig:25   | Killed Ceyts the pandemonium lord
286161 | Zig:25   | Killed Muihevay the pandemonium lord
286161 | Zig:25   | Killed Pyreism the pandemonium lord
286162 | Zig:25   | Killed Lososoth the pandemonium lord
286162 | Zig:25   | Killed Xoesin the pandemonium lord
286162 | Zig:25   | Killed Siexuod the pandemonium lord
286162 | Zig:25   | Killed Muratut the pandemonium lord
286162 | Zig:25   | Killed Jus Toni the pandemonium lord
286162 | Zig:25   | Killed Acrorph the pandemonium lord
286162 | Zig:25   | Killed Plog the pandemonium lord
286163 | Zig:25   | Killed Wehicahu the pandemonium lord
286163 | Zig:25   | Killed Jesem the pandemonium lord
286163 | Zig:25   | Killed Sutto the pandemonium lord
286163 | Zig:25   | Killed Utuchem the pandemonium lord
286163 | Zig:25   | Killed Papo the pandemonium lord
286163 | Zig:25   | Killed Amof the pandemonium lord
286163 | Zig:25   | Killed Memogur the pandemonium lord
286163 | Zig:25   | Noticed Omereo the pandemonium lord
286163 | Zig:25   | Noticed Konarchu the pandemonium lord
286163 | Zig:25   | Noticed Jowkus the pandemonium lord
286163 | Zig:25   | Noticed Ziecie Favaq the pandemonium lord
286164 | Zig:25   | Killed Gos Mien the pandemonium lord
286164 | Zig:25   | Noticed Oxzun the pandemonium lord
286165 | Zig:25   | Killed Fuohov the pandemonium lord
286165 | Zig:25   | Killed Ziecie Favaq the pandemonium lord
286165 | Zig:25   | Noticed Ojyvvy the pandemonium lord
286166 | Zig:25   | Killed Wuthyomp the pandemonium lord
286166 | Zig:25   | Killed Oxzun the pandemonium lord
286166 | Zig:25   | Noticed Ginutoh the pandemonium lord
286166 | Zig:25   | Noticed Jetruff the pandemonium lord
286166 | Zig:25   | Noticed Tuzoetebb the pandemonium lord
286167 | Zig:25   | Noticed Ymoupry the pandemonium lord
286167 | Zig:25   | Killed Jowkus the pandemonium lord
286167 | Zig:25   | Killed Ojyvvy the pandemonium lord
286167 | Zig:25   | Noticed Feafiwuk the pandemonium lord
286167 | Zig:25   | Noticed Baitol the pandemonium lord
286167 | Zig:25   | Noticed Afiacemm the pandemonium lord
286168 | Zig:25   | Noticed Vuz Mair the pandemonium lord
286168 | Zig:25   | Killed Omereo the pandemonium lord
286168 | Zig:25   | Noticed Isyvos the pandemonium lord
286168 | Zig:25   | Noticed Wits the pandemonium lord
286169 | Zig:25   | Killed Ginutoh the pandemonium lord
286169 | Zig:25   | Killed Baitol the pandemonium lord
286169 | Zig:25   | Killed Afiacemm the pandemonium lord
286169 | Zig:25   | Noticed Mait the pandemonium lord
286169 | Zig:25   | Noticed Yllur the pandemonium lord
286170 | Zig:25   | Killed Konarchu the pandemonium lord
286170 | Zig:25   | Killed Jetruff the pandemonium lord
286170 | Zig:25   | Noticed Duqonudu the pandemonium lord
286170 | Zig:25   | Noticed Latixom the pandemonium lord
286170 | Zig:25   | Noticed Gysih the pandemonium lord
286171 | Zig:25   | Killed Tuzoetebb the pandemonium lord
286171 | Zig:25   | Killed Feafiwuk the pandemonium lord
286171 | Zig:25   | Killed Vuz Mair the pandemonium lord
286171 | Zig:25   | Killed Ymoupry the pandemonium lord
286171 | Zig:25   | Killed Yllur the pandemonium lord
286171 | Zig:25   | Noticed Tuminiarph the pandemonium lord
286171 | Zig:25   | Noticed Naaraf the pandemonium lord
286172 | Zig:25   | Killed Mait the pandemonium lord
286172 | Zig:25   | Noticed Nat Viv the pandemonium lord
286172 | Zig:25   | Noticed Leinedae the pandemonium lord
286172 | Zig:25   | Noticed Xueliabe the pandemonium lord
286172 | Zig:25   | Noticed Vizacy Hiefa the pandemonium lord
286172 | Zig:25   | Killed Duqonudu the pandemonium lord
286172 | Zig:25   | Noticed Ciomah the pandemonium lord
286173 | Zig:25   | Killed Wits the pandemonium lord
286173 | Zig:25   | Killed Isyvos the pandemonium lord
286173 | Zig:25   | Killed Tuminiarph the pandemonium lord
286173 | Zig:25   | Killed Leinedae the pandemonium lord
286173 | Zig:25   | Noticed Inie the pandemonium lord
286173 | Zig:25   | Killed Latixom the pandemonium lord
286173 | Zig:25   | Noticed Irelijiv the pandemonium lord
286174 | Zig:25   | Killed Ciomah the pandemonium lord
286174 | Zig:25   | Killed Naaraf the pandemonium lord
286174 | Zig:25   | Noticed Peips the pandemonium lord
286174 | Zig:25   | Noticed Fupipaw the pandemonium lord
286174 | Zig:25   | Noticed Asomom the pandemonium lord
286175 | Zig:25   | Noticed Itanleir the pandemonium lord
286175 | Zig:25   | Noticed Kuckot the pandemonium lord
286175 | Zig:25   | Noticed Vioch the pandemonium lord
286176 | Zig:25   | Killed Peips the pandemonium lord
286176 | Zig:25   | Killed Gysih the pandemonium lord
286176 | Zig:25   | Killed Vioch the pandemonium lord
286176 | Zig:25   | Noticed Odidofot the pandemonium lord
286176 | Zig:25   | Noticed Niagan the pandemonium lord
286177 | Zig:25   | Killed Xueliabe the pandemonium lord
286177 | Zig:25   | Killed Vizacy Hiefa the pandemonium lord
286177 | Zig:25   | Killed Nat Viv the pandemonium lord
286177 | Zig:25   | Killed Inie the pandemonium lord
286177 | Zig:25   | Noticed Canwial the pandemonium lord
286178 | Zig:25   | Killed Fupipaw the pandemonium lord
286178 | Zig:25   | Killed Kuckot the pandemonium lord
286178 | Zig:25   | Killed Canwial the pandemonium lord
286178 | Zig:25   | Killed Niagan the pandemonium lord
286179 | Zig:25   | Killed Itanleir the pandemonium lord
286179 | Zig:25   | Noticed Ajaod the pandemonium lord
286179 | Zig:25   | Noticed Vauloim the pandemonium lord
286179 | Zig:25   | Noticed Neasaod the pandemonium lord
286179 | Zig:25   | Noticed Gum Arib the pandemonium lord
286179 | Zig:25   | Noticed Ewovor the pandemonium lord
286180 | Zig:25   | Noticed Acomun the pandemonium lord
286180 | Zig:25   | Noticed Myskocs the pandemonium lord
286180 | Zig:25   | Noticed Acwasiti the pandemonium lord
286181 | Zig:25   | Killed Asomom the pandemonium lord
286181 | Zig:25   | Killed Vauloim the pandemonium lord
286181 | Zig:25   | Killed Acwasiti the pandemonium lord
286181 | Zig:25   | Noticed Quckat the pandemonium lord
286181 | Zig:25   | Noticed Uleel the pandemonium lord
286182 | Zig:25   | Killed Irelijiv the pandemonium lord
286182 | Zig:25   | Killed Odidofot the pandemonium lord
286182 | Zig:25   | Killed Ewovor the pandemonium lord
286182 | Zig:25   | Noticed Montof the pandemonium lord
286182 | Zig:25   | Noticed Nuoduo Guha the pandemonium lord
286183 | Zig:25   | Killed Acomun the pandemonium lord
286183 | Zig:25   | Killed Neasaod the pandemonium lord
286183 | Zig:25   | Killed Quckat the pandemonium lord
286183 | Zig:25   | Noticed Wecriom the pandemonium lord
286183 | Zig:25   | Noticed Kixt the pandemonium lord
286183 | Zig:25   | Noticed Hocwutaf the pandemonium lord
286184 | Zig:25   | Killed Ajaod the pandemonium lord
286184 | Zig:25   | Killed Gum Arib the pandemonium lord
286184 | Zig:25   | Killed Ewutofoi the pandemonium lord
286184 | Zig:25   | Noticed Eclastui the pandemonium lord
286184 | Zig:25   | Noticed Muilirchont the pandemonium lord
286185 | Zig:25   | Noticed Qusaebbo the pandemonium lord
286185 | Zig:25   | Killed Myskocs the pandemonium lord
286185 | Zig:25   | Killed Wecriom the pandemonium lord
286185 | Zig:25   | Killed Uleel the pandemonium lord
286186 | Zig:25   | Killed Eclastui the pandemonium lord
286186 | Zig:25   | Killed Nuoduo Guha the pandemonium lord
286186 | Zig:25   | Noticed Aza Fadeck the pandemonium lord
286186 | Zig:25   | Noticed Sukhlau the pandemonium lord
286187 | Zig:25   | Killed Muilirchont the pandemonium lord
286187 | Zig:25   | Killed Qusaebbo the pandemonium lord
286187 | Zig:25   | Noticed Difitytz the pandemonium lord
286187 | Zig:25   | Noticed Reor the pandemonium lord
286187 | Zig:25   | Noticed Jysego the pandemonium lord
286187 | Zig:25   | Noticed Zutijot the pandemonium lord
286189 | Zig:25   | Killed Aza Fadeck the pandemonium lord
286189 | Zig:25   | Killed Kixt the pandemonium lord
286189 | Zig:25   | Noticed Weest the pandemonium lord
286190 | Zig:25   | Killed Reor the pandemonium lord
286190 | Zig:25   | Killed Hocwutaf the pandemonium lord
286190 | Zig:25   | Noticed Maatem the pandemonium lord
286190 | Zig:25   | Noticed Pereyle the pandemonium lord
286191 | Zig:25   | Killed Zutijot the pandemonium lord
286191 | Zig:25   | Killed Weest the pandemonium lord
286191 | Zig:25   | Noticed Iggioluy the pandemonium lord
286192 | Zig:25   | Noticed Feqeoc the pandemonium lord
286192 | Zig:25   | Noticed Vyomuzori the pandemonium lord
286192 | Zig:25   | Noticed Ihacin the pandemonium lord
286193 | Zig:25   | Killed Maatem the pandemonium lord
286193 | Zig:25   | Killed Jysego the pandemonium lord
286193 | Zig:25   | Killed Iggioluy the pandemonium lord
286193 | Zig:25   | Noticed Noshuyqi the pandemonium lord
286193 | Zig:25   | Noticed Ykhlapiutu the pandemonium lord
286194 | Zig:25   | Killed Ykhlapiutu the pandemonium lord
286194 | Zig:25   | Noticed Xejiako the pandemonium lord
286195 | Zig:25   | Killed Montof the pandemonium lord
286195 | Zig:25   | Killed Ihacin the pandemonium lord
286195 | Zig:25   | Noticed Onnaqil the pandemonium lord
286195 | Zig:25   | Noticed Pudghu the pandemonium lord
286195 | Zig:25   | Killed Difitytz the pandemonium lord
286196 | Zig:25   | Killed Pereyle the pandemonium lord
286198 | Zig:25   | Killed Onnaqil the pandemonium lord
286198 | Zig:25   | Killed Pudghu the pandemonium lord
286198 | Zig:25   | Killed Feqeoc the pandemonium lord
286198 | Zig:25   | Killed Sukhlau the pandemonium lord
286198 | Zig:25   | Noticed Nasue the pandemonium lord
286198 | Zig:25   | Noticed Weky the pandemonium lord
286198 | Zig:25   | Killed Noshuyqi the pandemonium lord
286198 | Zig:25   | Noticed Qosch the pandemonium lord
286198 | Zig:25   | Noticed Wusmu the pandemonium lord
286199 | Zig:25   | Killed Nasue the pandemonium lord
286199 | Zig:25   | Killed Weky the pandemonium lord
286200 | Zig:25   | Noticed Wumouded the pandemonium lord
286200 | Zig:25   | Killed Vyomuzori the pandemonium lord
286200 | Zig:25   | Killed Wusmu the pandemonium lord
286200 | Zig:25   | Noticed Vysats the pandemonium lord
286201 | Zig:25   | Noticed Buci the pandemonium lord
286201 | Zig:25   | Noticed Puora the pandemonium lord
286201 | Zig:25   | Noticed Qaphocze the pandemonium lord
286201 | Zig:25   | Noticed Xoekk the pandemonium lord
286201 | Zig:25   | Noticed Wastuaps the pandemonium lord
286201 | Zig:25   | Noticed Vara the pandemonium lord
286201 | Zig:25   | Noticed Vosib the pandemonium lord
286201 | Zig:25   | Noticed Qoko Wezoa the pandemonium lord
286201 | Zig:25   | Noticed Bivol the pandemonium lord
286201 | Zig:25   | Noticed Zixtil the pandemonium lord
286201 | Zig:25   | Noticed Ivet the pandemonium lord
286202 | Zig:25   | Noticed Fottoun the pandemonium lord
286202 | Zig:25   | Noticed Wumux the pandemonium lord
286203 | Zig:25   | Noticed Doythrin the pandemonium lord
286204 | Zig:25   | Noticed Jeiwku the pandemonium lord
286204 | Zig:25   | Noticed Ateitor the pandemonium lord
286205 | Zig:25   | Killed Xoekk the pandemonium lord
286205 | Zig:25   | Killed Jeiwku the pandemonium lord
286205 | Zig:25   | Killed Wumouded the pandemonium lord
286205 | Zig:25   | Killed Bivol the pandemonium lord
286205 | Zig:25   | Killed Xejiako the pandemonium lord
286205 | Zig:25   | Killed Qaphocze the pandemonium lord
286205 | Zig:25   | Killed Buci the pandemonium lord
286206 | Zig:25   | Killed Qoko Wezoa the pandemonium lord
286206 | Zig:25   | Killed Qosch the pandemonium lord
286206 | Zig:25   | Killed Wumux the pandemonium lord
286206 | Zig:25   | Killed Vara the pandemonium lord
286206 | Zig:25   | Killed Puora the pandemonium lord
286206 | Zig:25   | Killed Ateitor the pandemonium lord
286206 | Zig:25   | Killed Zixtil the pandemonium lord
286206 | Zig:25   | Noticed Voikiwn the pandemonium lord
286206 | Zig:25   | Noticed Fogoux the pandemonium lord
286206 | Zig:25   | Noticed Yrroh the pandemonium lord
286207 | Zig:25   | Noticed Xukhiut the pandemonium lord
286207 | Zig:25   | Killed Wastuaps the pandemonium lord
286208 | Zig:25   | Noticed Puir the pandemonium lord
286209 | Zig:25   | Noticed Mubb the pandemonium lord
286210 | Zig:25   | Killed Vysats the pandemonium lord
286210 | Zig:25   | Killed Doythrin the pandemonium lord
286210 | Zig:25   | Killed Puir the pandemonium lord
286212 | Zig:25   | Noticed Xommiuce the pandemonium lord
286213 | Zig:25   | Noticed Riwotur the pandemonium lord
286213 | Zig:25   | Killed Fogoux the pandemonium lord
286215 | Zig:25   | Noticed Nopuy the pandemonium lord
286215 | Zig:25   | Noticed Sucrojis the pandemonium lord
286215 | Zig:25   | Noticed Buworyrch the pandemonium lord
286215 | Zig:25   | Noticed Myviw the pandemonium lord
286216 | Zig:25   | Noticed Xaptatz the pandemonium lord
286217 | Zig:25   | Noticed Fuenaiv the pandemonium lord
286217 | Zig:25   | Killed Xukhiut the pandemonium lord
286224 | Zig:25   | Noticed Lexzaggo the pandemonium lord
286224 | Zig:25   | Noticed Nuel the pandemonium lord
286224 | Zig:25   | Noticed Xusmur the pandemonium lord
286224 | Zig:25   | Noticed Liloump the pandemonium lord
286224 | Zig:25   | Noticed Pemixixi the pandemonium lord
286224 | Zig:25   | Noticed Wiympy the pandemonium lord
286224 | Zig:25   | Noticed Nemikaot the pandemonium lord
286224 | Zig:25   | Noticed Neyqiots the pandemonium lord
286224 | Zig:25   | Noticed Meneib the pandemonium lord
286225 | Zig:25   | Noticed Moonka the pandemonium lord
286227 | Zig:25   | Noticed Qutumaho the pandemonium lord
286228 | Zig:25   | Killed Wiympy the pandemonium lord
286228 | Zig:25   | Killed Neyqiots the pandemonium lord
286228 | Zig:25   | Killed Nuel the pandemonium lord
286228 | Zig:25   | Killed Meneib the pandemonium lord
286231 | Zig:25   | Noticed Akliff the pandemonium lord
286231 | Zig:25   | Noticed Tuskas the pandemonium lord
286231 | Zig:25   | Killed Voikiwn the pandemonium lord
286232 | Zig:25   | Noticed Inla the pandemonium lord
286233 | Zig:25   | Noticed Zarhib the pandemonium lord
286234 | Zig:25   | Noticed Miuddox the pandemonium lord
286237 | Zig:25   | Killed Fuenaiv the pandemonium lord
286238 | Zig:25   | Killed Lexzaggo the pandemonium lord
286238 | Zig:25   | Killed Ivet the pandemonium lord
286239 | Zig:25   | Noticed Ureuguic the pandemonium lord
286240 | Zig:25   | Killed Riwotur the pandemonium lord
286240 | Zig:25   | Killed Xommiuce the pandemonium lord
286240 | Zig:25   | Killed Yrroh the pandemonium lord
286241 | Zig:25   | Killed Myviw the pandemonium lord
286242 | Zig:25   | Killed Buworyrch the pandemonium lord
286242 | Zig:25   | Killed Nopuy the pandemonium lord
286242 | Zig:25   | Killed Sucrojis the pandemonium lord
286242 | Zig:25   | Killed Akliff the pandemonium lord
286242 | Zig:25   | Noticed Wusebaont the pandemonium lord
286242 | Zig:25   | Killed Xusmur the pandemonium lord
286243 | Zig:25   | Killed Vosib the pandemonium lord
286244 | Zig:25   | Killed Ureuguic the pandemonium lord
286245 | Zig:25   | Killed Mubb the pandemonium lord
286245 | Zig:25   | Noticed Leigiedgh the pandemonium lord
286247 | Zig:25   | Killed Liloump the pandemonium lord
286247 | Zig:25   | Noticed Ahyzad the pandemonium lord
286247 | Zig:25   | Killed Nemikaot the pandemonium lord
286249 | Zig:25   | Killed Xaptatz the pandemonium lord
286249 | Zig:25   | Noticed Aronn the pandemonium lord
286249 | Zig:25   | Noticed Atikeer the pandemonium lord
286250 | Zig:25   | Killed Leigiedgh the pandemonium lord
286250 | Zig:25   | Killed Wusebaont the pandemonium lord
286251 | Zig:25   | Killed Ahyzad the pandemonium lord
286251 | Zig:25   | Killed Atikeer the pandemonium lord
286251 | Zig:25   | Noticed Ipedee Nekh the pandemonium lord
286252 | Zig:25   | Killed Inla the pandemonium lord
286253 | Zig:25   | Killed Miuddox the pandemonium lord
286253 | Zig:25   | Noticed Atyd the pandemonium lord
286254 | Zig:25   | Killed Moonka the pandemonium lord
286255 | Zig:25   | Killed Zarhib the pandemonium lord
286255 | Zig:25   | Killed Fottoun the pandemonium lord
286256 | Zig:25   | Killed Ipedee Nekh the pandemonium lord
286256 | Zig:25   | Killed Pemixixi the pandemonium lord
286256 | Zig:25   | Noticed Cyuc the pandemonium lord
286257 | Zig:25   | Killed Atyd the pandemonium lord
286257 | Zig:25   | Noticed Yghaotaif the pandemonium lord
286257 | Zig:25   | Killed Aronn the pandemonium lord
286258 | Zig:25   | Killed Tuskas the pandemonium lord
286259 | Zig:25   | Killed Cyuc the pandemonium lord
286259 | Zig:25   | Killed Yghaotaif the pandemonium lord
286260 | Zig:25   | Noticed Qaifemat the pandemonium lord
286263 | Zig:25   | Killed Qutumaho the pandemonium lord
286263 | Zig:25   | Noticed Qurahieg the pandemonium lord
286264 | Zig:25   | Noticed Sathre Foeps the pandemonium lord
286264 | Zig:25   | Noticed Qytel the pandemonium lord
286264 | Zig:25   | Noticed Faupigh the pandemonium lord
286265 | Zig:25   | Killed Qaifemat the pandemonium lord
286266 | Zig:25   | Killed Qurahieg the pandemonium lord
286266 | Zig:25   | Killed Qytel the pandemonium lord
286266 | Zig:25   | Killed Sathre Foeps the pandemonium lord
286271 | Zig:25   | Killed Faupigh the pandemonium lord
286271 | Zig:25   | Noticed Gecaen the pandemonium lord
286274 | Zig:25   | Noticed Yczixaj the pandemonium lord
286276 | Zig:25   | Killed Yczixaj the pandemonium lord
286277 | Zig:25   | Killed Gecaen the pandemonium lord
286342 | Zig:25   | Identified the +3 arbalest of Might {drain, rF+}
286352 | Zig:25   | Identified the +1 quarterstaff "Soczeudu" {spect, rPois
                  | rCorr Dex+4}
286360 | Zig:25   | Identified the +7 dire flail of the Burning Gods {holy,
                  | ^Fragile rElec rPois Stlth+}
286365 | Zig:25   | Identified the +0 pair of boots of the Evening Star {Fly
                  | rC- Will- Int+9}
286368 | Zig:25   | Identified the +9 long sword of Woe {flame, Int+3}
286370 | Zig:25   | Identified the +9 scale mail of Dim Light {rElec rPois
                  | Will- Int+2}
286372 | Zig:25   | Identified the staff of the Establishment {rPois Int-4
                  | Stlth+ Conj Ice}
286676 | Zig:25   | Identified the +6 arbalest "Seups" {freeze, Will+}
286679 | Zig:25   | Identified the staff of the Orcish Mines {^Drain Dex+5
                  | Conj}
286706 | Zig:26   | Entered Level 26 of a ziggurat
286706 | Zig:26   | Noticed an ancient lich
286706 | Zig:26   | Noticed an ancient lich
286706 | Zig:26   | Noticed an ancient lich
286706 | Zig:26   | Noticed an ancient lich
286706 | Zig:26   | Noticed an ancient lich
286706 | Zig:26   | Noticed a dread lich
286706 | Zig:26   | Noticed a dread lich
286706 | Zig:26   | Noticed an ancient lich
286706 | Zig:26   | Noticed an ancient lich
286706 | Zig:26   | Noticed an ancient lich
286706 | Zig:26   | Noticed a dread lich
286706 | Zig:26   | Noticed a dread lich
286706 | Zig:26   | Noticed a dread lich
286706 | Zig:26   | Noticed an ancient lich
286706 | Zig:26   | Noticed an ancient lich
286706 | Zig:26   | Noticed a dread lich
286706 | Zig:26   | Noticed an ancient lich
286706 | Zig:26   | Noticed an ancient lich
286706 | Zig:26   | Noticed an ancient lich
286706 | Zig:26   | Noticed an ancient lich
286706 | Zig:26   | Noticed an ancient lich
286706 | Zig:26   | Noticed a dread lich
286706 | Zig:26   | Noticed an ancient lich
286707 | Zig:26   | Killed an ancient lich
286707 | Zig:26   | Killed an ancient lich
286707 | Zig:26   | Killed an ancient lich
286707 | Zig:26   | Killed an ancient lich
286707 | Zig:26   | Killed a dread lich
286707 | Zig:26   | Killed an ancient lich
286707 | Zig:26   | Killed an ancient lich
286708 | Zig:26   | Killed a dread lich
286708 | Zig:26   | Killed an ancient lich
286708 | Zig:26   | Killed an ancient lich
286708 | Zig:26   | Killed an ancient lich
286708 | Zig:26   | Killed a dread lich
286708 | Zig:26   | Killed a dread lich
286708 | Zig:26   | Killed an ancient lich
286708 | Zig:26   | Killed an ancient lich
286708 | Zig:26   | Killed an ancient lich
286708 | Zig:26   | Killed a dread lich
286708 | Zig:26   | Killed an ancient lich
286708 | Zig:26   | Killed a dread lich
286708 | Zig:26   | Killed an ancient lich
286708 | Zig:26   | Killed an ancient lich
286708 | Zig:26   | Killed a dread lich
286708 | Zig:26   | Noticed an ancient lich
286708 | Zig:26   | Noticed a dread lich
286709 | Zig:26   | Killed an ancient lich
286709 | Zig:26   | Killed a dread lich
286709 | Zig:26   | Noticed an ancient lich
286709 | Zig:26   | Noticed a dread lich
286709 | Zig:26   | Noticed a dread lich
286709 | Zig:26   | Noticed a dread lich
286710 | Zig:26   | Killed a dread lich
286710 | Zig:26   | Killed an ancient lich
286710 | Zig:26   | Killed a dread lich
286710 | Zig:26   | Killed a dread lich
286711 | Zig:26   | Killed an ancient lich
286711 | Zig:26   | Noticed an ancient lich
286712 | Zig:26   | Noticed a dread lich
286712 | Zig:26   | Noticed a dread lich
286712 | Zig:26   | Noticed an ancient lich
286713 | Zig:26   | Killed an ancient lich
286713 | Zig:26   | Killed a dread lich
286714 | Zig:26   | Noticed a dread lich
286714 | Zig:26   | Noticed a dread lich
286714 | Zig:26   | Noticed a dread lich
286714 | Zig:26   | Noticed an ancient lich
286714 | Zig:26   | Noticed an ancient lich
286715 | Zig:26   | Noticed an ancient lich
286715 | Zig:26   | Killed an ancient lich
286715 | Zig:26   | Killed a dread lich
286715 | Zig:26   | Killed a dread lich
286715 | Zig:26   | Killed an ancient lich
286715 | Zig:26   | Killed a dread lich
286715 | Zig:26   | Noticed a dread lich
286715 | Zig:26   | Noticed a dread lich
286715 | Zig:26   | Noticed an ancient lich
286715 | Zig:26   | Noticed a dread lich
286715 | Zig:26   | Noticed an ancient lich
286716 | Zig:26   | Noticed a dread lich
286716 | Zig:26   | Noticed a dread lich
286717 | Zig:26   | Killed an ancient lich
286717 | Zig:26   | Killed an ancient lich
286717 | Zig:26   | Killed an ancient lich
286717 | Zig:26   | Killed a dread lich
286717 | Zig:26   | Killed a dread lich
286717 | Zig:26   | Noticed an ancient lich
286718 | Zig:26   | Noticed a dread lich
286718 | Zig:26   | Noticed an ancient lich
286718 | Zig:26   | Killed a dread lich
286718 | Zig:26   | Killed a dread lich
286718 | Zig:26   | Killed a dread lich
286718 | Zig:26   | Killed a dread lich
286718 | Zig:26   | Killed an ancient lich
286718 | Zig:26   | Killed a dread lich
286718 | Zig:26   | Noticed an ancient lich
286718 | Zig:26   | Noticed a dread lich
286718 | Zig:26   | Noticed an ancient lich
286719 | Zig:26   | Noticed an ancient lich
286719 | Zig:26   | Noticed a dread lich
286719 | Zig:26   | Noticed an ancient lich
286719 | Zig:26   | Noticed an ancient lich
286719 | Zig:26   | Noticed an ancient lich
286719 | Zig:26   | Noticed a dread lich
286720 | Zig:26   | Killed a dread lich
286720 | Zig:26   | Killed a dread lich
286720 | Zig:26   | Killed an ancient lich
286720 | Zig:26   | Killed an ancient lich
286720 | Zig:26   | Killed an ancient lich
286720 | Zig:26   | Killed an ancient lich
286720 | Zig:26   | Killed an ancient lich
286720 | Zig:26   | Noticed a dread lich
286720 | Zig:26   | Noticed an ancient lich
286721 | Zig:26   | Noticed a dread lich
286721 | Zig:26   | Killed an ancient lich
286721 | Zig:26   | Killed an ancient lich
286721 | Zig:26   | Killed an ancient lich
286721 | Zig:26   | Killed a dread lich
286721 | Zig:26   | Noticed a dread lich
286722 | Zig:26   | Noticed a dread lich
286722 | Zig:26   | Noticed an ancient lich
286722 | Zig:26   | Noticed a dread lich
286722 | Zig:26   | Noticed an ancient lich
286722 | Zig:26   | Noticed a dread lich
286722 | Zig:26   | Noticed a dread lich
286723 | Zig:26   | Killed a dread lich
286723 | Zig:26   | Killed a dread lich
286723 | Zig:26   | Killed a dread lich
286723 | Zig:26   | Killed an ancient lich
286723 | Zig:26   | Noticed an ancient lich
286723 | Zig:26   | Noticed an ancient lich
286723 | Zig:26   | Noticed an ancient lich
286723 | Zig:26   | Noticed a dread lich
286724 | Zig:26   | Noticed a dread lich
286724 | Zig:26   | Killed an ancient lich
286724 | Zig:26   | Killed an ancient lich
286724 | Zig:26   | Killed a dread lich
286724 | Zig:26   | Killed a dread lich
286724 | Zig:26   | Killed an ancient lich
286724 | Zig:26   | Killed a dread lich
286724 | Zig:26   | Killed a dread lich
286724 | Zig:26   | Killed a dread lich
286724 | Zig:26   | Noticed a dread lich
286725 | Zig:26   | Killed a dread lich
286725 | Zig:26   | Killed an ancient lich
286726 | Zig:26   | Killed an ancient lich
286726 | Zig:26   | Killed a dread lich
286726 | Zig:26   | Noticed an ancient lich
286727 | Zig:26   | Noticed a dread lich
286727 | Zig:26   | Noticed an ancient lich
286727 | Zig:26   | Noticed an ancient lich
286727 | Zig:26   | Noticed an ancient lich
286727 | Zig:26   | Noticed an ancient lich
286727 | Zig:26   | Noticed a dread lich
286727 | Zig:26   | Noticed an ancient lich
286727 | Zig:26   | Noticed a dread lich
286728 | Zig:26   | Killed a dread lich
286728 | Zig:26   | Killed an ancient lich
286728 | Zig:26   | Killed a dread lich
286729 | Zig:26   | Noticed a dread lich
286729 | Zig:26   | Noticed a dread lich
286729 | Zig:26   | Noticed a dread lich
286729 | Zig:26   | Noticed an ancient lich
286729 | Zig:26   | Noticed a dread lich
286729 | Zig:26   | Killed a dread lich
286729 | Zig:26   | Killed an ancient lich
286730 | Zig:26   | Noticed an ancient lich
286730 | Zig:26   | Killed an ancient lich
286730 | Zig:26   | Killed an ancient lich
286730 | Zig:26   | Killed an ancient lich
286730 | Zig:26   | Killed an ancient lich
286730 | Zig:26   | Killed a dread lich
286730 | Zig:26   | Noticed a dread lich
286730 | Zig:26   | Noticed a dread lich
286730 | Zig:26   | Noticed an ancient lich
286730 | Zig:26   | Noticed a dread lich
286731 | Zig:26   | Killed a dread lich
286731 | Zig:26   | Killed a dread lich
286731 | Zig:26   | Killed an ancient lich
286731 | Zig:26   | Killed an ancient lich
286731 | Zig:26   | Killed a dread lich
286731 | Zig:26   | Killed an ancient lich
286731 | Zig:26   | Killed a dread lich
286732 | Zig:26   | Killed a dread lich
286732 | Zig:26   | Killed a dread lich
286732 | Zig:26   | Noticed an ancient lich
286733 | Zig:26   | Noticed a dread lich
286733 | Zig:26   | Noticed a dread lich
286733 | Zig:26   | Noticed an ancient lich
286733 | Zig:26   | Noticed a dread lich
286733 | Zig:26   | Noticed an ancient lich
286733 | Zig:26   | Noticed an ancient lich
286734 | Zig:26   | Killed a dread lich
286734 | Zig:26   | Killed an ancient lich
286734 | Zig:26   | Killed an ancient lich
286735 | Zig:26   | Noticed a dread lich
286735 | Zig:26   | Noticed an ancient lich
286735 | Zig:26   | Noticed a dread lich
286736 | Zig:26   | Killed an ancient lich
286736 | Zig:26   | Killed a dread lich
286736 | Zig:26   | Killed an ancient lich
286736 | Zig:26   | Killed a dread lich
286736 | Zig:26   | Killed an ancient lich
286736 | Zig:26   | Killed a dread lich
286736 | Zig:26   | Noticed a dread lich
286737 | Zig:26   | Killed a dread lich
286738 | Zig:26   | Killed a dread lich
286738 | Zig:26   | Noticed a dread lich
286739 | Zig:26   | Noticed a dread lich
286739 | Zig:26   | Noticed a dread lich
286739 | Zig:26   | Noticed a dread lich
286739 | Zig:26   | Noticed a dread lich
286739 | Zig:26   | Noticed a dread lich
286740 | Zig:26   | Killed a dread lich
286740 | Zig:26   | Killed a dread lich
286740 | Zig:26   | Killed a dread lich
286740 | Zig:26   | Killed a dread lich
286740 | Zig:26   | Killed a dread lich
286741 | Zig:26   | Noticed an ancient lich
286741 | Zig:26   | Noticed an ancient lich
286741 | Zig:26   | Noticed an ancient lich
286741 | Zig:26   | Noticed an ancient lich
286742 | Zig:26   | Killed a dread lich
286742 | Zig:26   | Killed an ancient lich
286742 | Zig:26   | Killed an ancient lich
286742 | Zig:26   | Killed an ancient lich
286743 | Zig:26   | Noticed an ancient lich
286743 | Zig:26   | Killed an ancient lich
286744 | Zig:26   | Noticed an ancient lich
286744 | Zig:26   | Noticed an ancient lich
286745 | Zig:26   | Killed an ancient lich
286745 | Zig:26   | Noticed an ancient lich
286746 | Zig:26   | Noticed a dread lich
286746 | Zig:26   | Noticed an ancient lich
286747 | Zig:26   | Killed an ancient lich
286747 | Zig:26   | Killed an ancient lich
286747 | Zig:26   | Killed an ancient lich
286747 | Zig:26   | Killed an ancient lich
286747 | Zig:26   | Noticed an ancient lich
286749 | Zig:26   | Killed an ancient lich
286749 | Zig:26   | Killed a dread lich
286765 | Zig:26   | Identified the ring of Qaix {rCorr Str+6 Int+5}
286784 | Zig:26   | Identified the +0 pair of gloves of Loiss {Will- Regen+
                  | rCorr SInv}
286798 | Zig:26   | Identified the +0 halberd "Ytyelunt" {drain, rElec Will+
                  | rCorr}
286800 | Zig:26   | Identified the ring "Genk" {Will+ EV+5}
286805 | Zig:26   | Identified the +0 flail of Cataclysm {flame, rC+ Str+2
                  | Int-5}
286814 | Zig:26   | Identified the +7 dagger "Jic Guet" {antimagic, rF++ Str+3
                  | Dex-5}
286845 | Zig:26   | Identified the +0 scale mail "Soetobon" {Dex+6}
286846 | Zig:26   | Identified the +1 robe of Delicate Lucidity {Will+}
286847 | Zig:26   | Identified the amulet of Autotheism {Will++ Regen+ Dex+3}
287313 | Zig:26   | Identified the +1 pair of gloves of Canasm {Regen+}
287425 | Zig:27   | Entered Level 27 of a ziggurat
287425 | Zig:27   | Noticed a dread lich
287425 | Zig:27   | Noticed a dread lich
287428 | Zig:27   | Killed a dread lich
287428 | Zig:27   | Killed a dread lich
287439 | Zig:27   | Noticed a dread lich
287439 | Zig:27   | Killed a dread lich
287454 | Zig:27   | Noticed a dread lich
287456 | Zig:27   | Killed a dread lich
287499 | Zig:27   | Identified the +6 trident of Peace {freeze, rElec Will+}
287503 | Zig:27   | Identified the ring "Evoomiz" {rElec Will+ Dex+2}
287557 | Zig:27   | Identified the +0 trident "Giant's Regret" {vamp, Fly rN+
                  | rCorr Str-4}
287563 | Zig:27   | Identified the ring of Munet {rElec rF+ MP+9}
287573 | Zig:27   | Identified the ring of Dastoqen {Fire rElec Str-4 Int+4}
287578 | Zig:27   | Identified the +3 ring mail of Yredelemnul's Hatred {rF++}
287579 | Zig:27   | Identified the ring of Xom's Malicious Joy {rC+ Str+4 Int+2
                  | Stlth-}
287602 | Zig:27   | Identified the +6 dagger of the Little People {drain,
                  | +Blink rN+ Int+3}
287624 | Zig:27   | Identified the staff "Faaggiuph" {rN+ MP+9 Necro}
287637 | Zig:27   | Identified the +2 glaive "Z" {spect, rElec rPois Int+2}
287639 | Zig:27   | Identified the +9 broad axe of the Solemn God {speed,
                  | +Blink rPois rF- rCorr}
287643 | Zig:27   | Identified the +8 demon blade "Hellblazer" {vamp, *Corrode
                  | rPois rN++ SInv}
287660 | Zig:27   | Identified the +0 scale mail of Ubiquitous Contentment
                  | {Rampage *Corrode Str+2}
287712 | Zig:27   | Identified the +2 whip "Rycum" {holy, rElec rPois rF- rC+}
287730 | Zig:27   | Identified the +0 morningstar of Res Judicata {elec, Str+2}
287731 | Zig:27   | Identified the ring of Epheha {rF++ Will+ Dex+6}
287736 | Zig:27   | Identified the +2 cloak of Olacruxy {Harm}
287740 | Zig:27   | Identified the +1 ring mail of Peiraqof {Harm rPois Dex-3
                  | SInv}
287744 | Zig:27   | Identified the +1 trident of Zin's Favour {elec, rC- rCorr
                  | Int+2 SInv}
287757 | Zig:27   | Identified the +0 robe "Jyekej" {rN+ Will+ Int+4}
287768 | Zig:27   | Identified the +7 chain mail of Joy {Dex+2}
287769 | Zig:27   | Identified the +0 sling "Citaann" {heavy, ^Fragile rC+
                  | SInv}
288101 | Zig:27   | Identified the +7 quick blade of Huaxtoy {vamp, Str+3}
288191 | Zig:1    | Entered Level 1 of a ziggurat
288191 | Zig:1    | Noticed Sitruci Verr the pandemonium lord
288191 | Zig:1    | Noticed Voemob the pandemonium lord
288191 | Zig:1    | Noticed Siretz the pandemonium lord
288191 | Zig:1    | Noticed Fapha Ynif the pandemonium lord
288191 | Zig:1    | Noticed Zilexal the pandemonium lord
288191 | Zig:1    | Noticed Ediaff Dustru the pandemonium lord
288191 | Zig:1    | Noticed Orabivot the pandemonium lord
288191 | Zig:1    | Noticed Woapnosi the pandemonium lord
288191 | Zig:1    | Noticed Xuodav the pandemonium lord
288191 | Zig:1    | Noticed Rissyov the pandemonium lord
288191 | Zig:1    | Noticed Yhonink the pandemonium lord
288192 | Zig:1    | Killed Sitruci Verr the pandemonium lord
288192 | Zig:1    | Noticed Yqoal the pandemonium lord
288193 | Zig:1    | Killed Yhonink the pandemonium lord
288193 | Zig:1    | Killed Rissyov the pandemonium lord
288193 | Zig:1    | Killed Orabivot the pandemonium lord
288194 | Zig:1    | Killed Xuodav the pandemonium lord
288194 | Zig:1    | Killed Voemob the pandemonium lord
288194 | Zig:1    | Killed Woapnosi the pandemonium lord
288194 | Zig:1    | Killed Ediaff Dustru the pandemonium lord
288194 | Zig:1    | Killed Siretz the pandemonium lord
288194 | Zig:1    | Killed Yqoal the pandemonium lord
288195 | Zig:1    | Killed Zilexal the pandemonium lord
288197 | Zig:1    | Killed Fapha Ynif the pandemonium lord
288286 | Zig:2    | Entered Level 2 of a ziggurat
288437 | Zig:3    | Entered Level 3 of a ziggurat
288437 | Zig:3    | Noticed an ancient lich
288437 | Zig:3    | Noticed a dread lich
288437 | Zig:3    | Noticed an ancient lich
288437 | Zig:3    | Noticed a dread lich
288437 | Zig:3    | Noticed a dread lich
288437 | Zig:3    | Noticed a dread lich
288437 | Zig:3    | Noticed an ancient lich
288437 | Zig:3    | Noticed a dread lich
288437 | Zig:3    | Noticed an ancient lich
288437 | Zig:3    | Noticed an ancient lich
288437 | Zig:3    | Noticed a dread lich
288437 | Zig:3    | Noticed an ancient lich
288438 | Zig:3    | Killed a dread lich
288438 | Zig:3    | Killed a dread lich
288438 | Zig:3    | Killed an ancient lich
288439 | Zig:3    | Killed an ancient lich
288439 | Zig:3    | Killed a dread lich
288439 | Zig:3    | Killed an ancient lich
288439 | Zig:3    | Killed a dread lich
288439 | Zig:3    | Killed an ancient lich
288439 | Zig:3    | Killed a dread lich
288439 | Zig:3    | Killed a dread lich
288439 | Zig:3    | Killed an ancient lich
288439 | Zig:3    | Noticed an ancient lich
288439 | Zig:3    | Noticed an ancient lich
288440 | Zig:3    | Killed an ancient lich
288441 | Zig:3    | Killed an ancient lich
288441 | Zig:3    | Killed an ancient lich
288442 | Zig:3    | Noticed a dread lich
288442 | Zig:3    | Noticed an ancient lich
288444 | Zig:3    | Killed a dread lich
288444 | Zig:3    | Killed an ancient lich
288493 | Zig:3    | Identified the +11 short sword of Disembowelment {flame,
                  | rC+ rN+ rCorr Str-4 Dex+3}
288597 | Zig:4    | Entered Level 4 of a ziggurat
288597 | Zig:4    | Noticed Nisoicaa the pandemonium lord
288597 | Zig:4    | Noticed Huujanef the pandemonium lord
288597 | Zig:4    | Noticed Diosch the pandemonium lord
288597 | Zig:4    | Noticed Yhiczav the pandemonium lord
288597 | Zig:4    | Noticed Guymoh the pandemonium lord
288597 | Zig:4    | Noticed Xobleaxt the pandemonium lord
288597 | Zig:4    | Noticed Saiwnes the pandemonium lord
288597 | Zig:4    | Noticed Ankut the pandemonium lord
288597 | Zig:4    | Noticed Dutiuca the pandemonium lord
288597 | Zig:4    | Noticed Suotoom the pandemonium lord
288597 | Zig:4    | Noticed Viles the pandemonium lord
288597 | Zig:4    | Noticed Efreg the pandemonium lord
288597 | Zig:4    | Noticed Kuidi Lis the pandemonium lord
288597 | Zig:4    | Noticed Baget the pandemonium lord
288597 | Zig:4    | Noticed Ziedyar the pandemonium lord
288597 | Zig:4    | Noticed Cilus the pandemonium lord
288597 | Zig:4    | Noticed Ugoekhli the pandemonium lord
288599 | Zig:4    | Noticed Qido the pandemonium lord
288600 | Zig:4    | Killed Ugoekhli the pandemonium lord
288600 | Zig:4    | Killed Baget the pandemonium lord
288600 | Zig:4    | Killed Cilus the pandemonium lord
288600 | Zig:4    | Killed Huujanef the pandemonium lord
288600 | Zig:4    | Noticed Hawi the pandemonium lord
288600 | Zig:4    | Noticed Wiqics Heul the pandemonium lord
288600 | Zig:4    | Noticed Saushr Vibb the pandemonium lord
288601 | Zig:4    | Killed Viles the pandemonium lord
288601 | Zig:4    | Killed Kuidi Lis the pandemonium lord
288601 | Zig:4    | Killed Ankut the pandemonium lord
288601 | Zig:4    | Killed Dutiuca the pandemonium lord
288601 | Zig:4    | Killed Efreg the pandemonium lord
288601 | Zig:4    | Killed Suotoom the pandemonium lord
288601 | Zig:4    | Killed Ziedyar the pandemonium lord
288602 | Zig:4    | Killed Saiwnes the pandemonium lord
288602 | Zig:4    | Killed Guymoh the pandemonium lord
288602 | Zig:4    | Killed Nisoicaa the pandemonium lord
288602 | Zig:4    | Killed Diosch the pandemonium lord
288602 | Zig:4    | Killed Xobleaxt the pandemonium lord
288602 | Zig:4    | Killed Wiqics Heul the pandemonium lord
288602 | Zig:4    | Killed Saushr Vibb the pandemonium lord
288603 | Zig:4    | Noticed Qanife the pandemonium lord
288603 | Zig:4    | Killed Qido the pandemonium lord
288604 | Zig:4    | Noticed Pyc Xidi the pandemonium lord
288604 | Zig:4    | Killed Yhiczav the pandemonium lord
288605 | Zig:4    | Killed Hawi the pandemonium lord
288607 | Zig:4    | Killed Qanife the pandemonium lord
288609 | Zig:4    | Killed Pyc Xidi the pandemonium lord
288730 | Zig:4    | Identified the ring "Litiheur" {rPois Will- Str+9 Int+6}
288737 | Zig:5    | Entered Level 5 of a ziggurat
288911 | Zig:5    | Identified the staff of Callousness {*Corrode rPois rC++
                  | Conj Earth}
288925 | Zig:6    | Entered Level 6 of a ziggurat
288925 | Zig:6    | Noticed an ancient lich
288925 | Zig:6    | Noticed a dread lich
288925 | Zig:6    | Noticed a dread lich
288925 | Zig:6    | Noticed a dread lich
288925 | Zig:6    | Noticed an ancient lich
288925 | Zig:6    | Noticed an ancient lich
288925 | Zig:6    | Noticed a dread lich
288925 | Zig:6    | Noticed an ancient lich
288925 | Zig:6    | Noticed a dread lich
288925 | Zig:6    | Noticed an ancient lich
288925 | Zig:6    | Noticed a dread lich
288925 | Zig:6    | Noticed a dread lich
288925 | Zig:6    | Noticed a dread lich
288925 | Zig:6    | Noticed a dread lich
288925 | Zig:6    | Noticed a dread lich
288925 | Zig:6    | Noticed an ancient lich
288926 | Zig:6    | Killed an ancient lich
288926 | Zig:6    | Killed a dread lich
288926 | Zig:6    | Killed an ancient lich
288926 | Zig:6    | Killed an ancient lich
288926 | Zig:6    | Killed a dread lich
288926 | Zig:6    | Killed a dread lich
288927 | Zig:6    | Killed an ancient lich
288927 | Zig:6    | Killed a dread lich
288927 | Zig:6    | Killed a dread lich
288927 | Zig:6    | Killed a dread lich
288927 | Zig:6    | Killed a dread lich
288927 | Zig:6    | Killed an ancient lich
288927 | Zig:6    | Killed a dread lich
288927 | Zig:6    | Killed a dread lich
288927 | Zig:6    | Killed a dread lich
288927 | Zig:6    | Killed an ancient lich
288927 | Zig:6    | Noticed a dread lich
288929 | Zig:6    | Killed a dread lich
288929 | Zig:6    | Noticed an ancient lich
288929 | Zig:6    | Noticed a dread lich
288932 | Zig:6    | Killed a dread lich
288932 | Zig:6    | Killed an ancient lich
288932 | Zig:6    | Noticed an ancient lich
288932 | Zig:6    | Noticed a dread lich
288933 | Zig:6    | Noticed a dread lich
288933 | Zig:6    | Noticed an ancient lich
288934 | Zig:6    | Killed an ancient lich
288934 | Zig:6    | Killed a dread lich
288934 | Zig:6    | Killed an ancient lich
288935 | Zig:6    | Noticed an ancient lich
288935 | Zig:6    | Noticed a dread lich
288936 | Zig:6    | Noticed an ancient lich
288936 | Zig:6    | Killed a dread lich
288936 | Zig:6    | Killed an ancient lich
288936 | Zig:6    | Killed an ancient lich
288936 | Zig:6    | Noticed an ancient lich
288938 | Zig:6    | Killed a dread lich
288938 | Zig:6    | Killed an ancient lich
288940 | Zig:6    | Noticed an ancient lich
288940 | Zig:6    | Killed an ancient lich
289080 | Zig:6    | Identified the ring "Cuvoa" {rPois rN+ AC+4 Str+5}
289126 | Zig:6    | Identified the amulet "Peerof" {Acrobat Int+5}
289132 | Zig:6    | Identified the ring "Vuptesef" {rF+ Will+ MP+9}
289153 | Zig:7    | Entered Level 7 of a ziggurat
289153 | Zig:7    | Noticed Eju Yqar the pandemonium lord
289153 | Zig:7    | Noticed Ytsueruhe the pandemonium lord
289153 | Zig:7    | Noticed Irhixzu the pandemonium lord
289153 | Zig:7    | Noticed Roifux the pandemonium lord
289153 | Zig:7    | Noticed Vuynegg the pandemonium lord
289153 | Zig:7    | Noticed Ukoyplec the pandemonium lord
289153 | Zig:7    | Noticed Patanat the pandemonium lord
289153 | Zig:7    | Noticed Agebat the pandemonium lord
289153 | Zig:7    | Noticed Kicofeax the pandemonium lord
289153 | Zig:7    | Noticed Wasemaru the pandemonium lord
289153 | Zig:7    | Noticed Abak the pandemonium lord
289153 | Zig:7    | Noticed Vuevorghe the pandemonium lord
289153 | Zig:7    | Noticed Viliaggeowk the pandemonium lord
289153 | Zig:7    | Noticed Hiqop the pandemonium lord
289153 | Zig:7    | Noticed Qujuimol the pandemonium lord
289153 | Zig:7    | Noticed Jopufaen the pandemonium lord
289153 | Zig:7    | Noticed Teupsasch the pandemonium lord
289153 | Zig:7    | Noticed Sig Xolujo the pandemonium lord
289154 | Zig:7    | Killed Ukoyplec the pandemonium lord
289154 | Zig:7    | Noticed Puexikk the pandemonium lord
289154 | Zig:7    | Noticed Amagg the pandemonium lord
289154 | Zig:7    | Noticed Xothroaha the pandemonium lord
289156 | Zig:7    | Noticed Tusy the pandemonium lord
289156 | Zig:7    | Killed Teupsasch the pandemonium lord
289156 | Zig:7    | Killed Qujuimol the pandemonium lord
289156 | Zig:7    | Killed Roifux the pandemonium lord
289156 | Zig:7    | Killed Sig Xolujo the pandemonium lord
289157 | Zig:7    | Killed Hiqop the pandemonium lord
289157 | Zig:7    | Killed Abak the pandemonium lord
289157 | Zig:7    | Killed Agebat the pandemonium lord
289157 | Zig:7    | Killed Jopufaen the pandemonium lord
289157 | Zig:7    | Killed Kicofeax the pandemonium lord
289157 | Zig:7    | Killed Viliaggeowk the pandemonium lord
289157 | Zig:7    | Killed Vuevorghe the pandemonium lord
289157 | Zig:7    | Killed Irhixzu the pandemonium lord
289157 | Zig:7    | Killed Vuynegg the pandemonium lord
289157 | Zig:7    | Noticed Coroup the pandemonium lord
289158 | Zig:7    | Killed Wasemaru the pandemonium lord
289158 | Zig:7    | Killed Patanat the pandemonium lord
289158 | Zig:7    | Killed Tusy the pandemonium lord
289158 | Zig:7    | Killed Xothroaha the pandemonium lord
289158 | Zig:7    | Noticed Namaygit the pandemonium lord
289158 | Zig:7    | Noticed Legura the pandemonium lord
289159 | Zig:7    | Noticed Mufymifo the pandemonium lord
289159 | Zig:7    | Noticed Uzxerugu the pandemonium lord
289160 | Zig:7    | Killed Coroup the pandemonium lord
289160 | Zig:7    | Killed Ytsueruhe the pandemonium lord
289160 | Zig:7    | Killed Eju Yqar the pandemonium lord
289160 | Zig:7    | Killed Amagg the pandemonium lord
289160 | Zig:7    | Noticed Suoxaj the pandemonium lord
289160 | Zig:7    | Noticed Wotwu the pandemonium lord
289161 | Zig:7    | Killed Legura the pandemonium lord
289163 | Zig:7    | Killed Puexikk the pandemonium lord
289163 | Zig:7    | Killed Wotwu the pandemonium lord
289163 | Zig:7    | Killed Uzxerugu the pandemonium lord
289163 | Zig:7    | Noticed Jaiqeom the pandemonium lord
289165 | Zig:7    | Killed Jaiqeom the pandemonium lord
289166 | Zig:7    | Killed Namaygit the pandemonium lord
289168 | Zig:7    | Noticed Muices the pandemonium lord
289168 | Zig:7    | Killed Mufymifo the pandemonium lord
289168 | Zig:7    | Killed Suoxaj the pandemonium lord
289168 | Zig:7    | Noticed Idduth the pandemonium lord
289169 | Zig:7    | Noticed Zatunyesh the pandemonium lord
289170 | Zig:7    | Killed Idduth the pandemonium lord
289171 | Zig:7    | Killed Zatunyesh the pandemonium lord
289175 | Zig:7    | Killed Muices the pandemonium lord
289262 | Zig:7    | Identified the +10 falchion "Wizodamn" {flame, *Noise
                  | +Blink rF+ Stlth+}
289382 | Zig:8    | Entered Level 8 of a ziggurat
289558 | Zig:8    | Identified the +1 dagger of Ockaral {freeze, *Rage Fly
                  | rElec rPois}
289559 | Zig:8    | Identified the +1 falchion "Nuzxi" {venom, rF+}
289612 | Zig:9    | Entered Level 9 of a ziggurat
289653 | Zig:9    | Identified the staff "Uleegi" {Will- Dex+8 Conj Tloc Earth}
289654 | Zig:9    | Identified the +1 arbalest of the Sage {elec, ^Contam rPois
                  | SInv}
289681 | Zig:9    | Identified the +0 pair of boots "Fehonu" {Int+3}
289721 | Zig:9    | Identified the ring "Waemucs" {*Corrode rF+ Int+3 Slay+4}
289946 | Zig:10   | Entered Level 10 of a ziggurat
289994 | Zig:10   | Identified the +10 eudemon blade of Kiquebb {holy, rC+}
290214 | Zig:10   | Identified the +4 arbalest of Corruption {heavy, rC++}
290217 | Zig:10   | Identified the +6 halberd "Dyna" {flame, Str+4}
290236 | Zig:10   | Identified the +5 hand axe of the Endless Souls {freeze,
                  | rC++}
290250 | Zig:10   | Identified the +3 spear "Qearo" {antimagic, Dex+4}
290252 | Zig:10   | Identified the +3 triple sword "Giestepp" {flame, Stlth+}
290258 | Zig:10   | Identified the +8 war axe of Ambiguity {holy, rPois rC+
                  | Dex-2}
290273 | Zig:11   | Entered Level 11 of a ziggurat
290396 | Zig:11   | Identified the ring "Kanuj" {Will+ Int+6 Slay+2}
290404 | Zig:11   | Identified the +5 spear of Jiatwig {pain, +Blink rF++
                  | Str-3}
290413 | Zig:11   | Identified the +5 trident of Immorality {flame, Int+2 SInv}
290421 | Zig:11   | Identified the +6 quarterstaff "Udwah" {venom, rC+ Will+
                  | Int+3 Stlth+}
290606 | Zig:11   | Identified the +4 scimitar of Tenacity {heavy, Will+}
290618 | Zig:12   | Entered Level 12 of a ziggurat
290901 | Zig:12   | Identified the staff "Todacecs" {Int+4 SInv Conj Air}
290912 | Zig:12   | Identified the staff of Loss {rPois rN+ MP+9 Str-5 Conj
                  | Tloc}
290948 | Zig:13   | Entered Level 13 of a ziggurat
290958 | Zig:13   | Killed a starcursed mass
291026 | Zig:13   | Identified the +5 eudemon blade "Suakav" {holy, rCorr
                  | Int+5}
291317 | Zig:14   | Entered Level 14 of a ziggurat
291317 | Zig:14   | Noticed a juggernaut
291317 | Zig:14   | Noticed a juggernaut
291317 | Zig:14   | Noticed a juggernaut
291317 | Zig:14   | Noticed a juggernaut
291317 | Zig:14   | Noticed a juggernaut
291317 | Zig:14   | Noticed a juggernaut
291317 | Zig:14   | Noticed a juggernaut
291317 | Zig:14   | Noticed a juggernaut
291317 | Zig:14   | Noticed a juggernaut
291318 | Zig:14   | Killed a juggernaut
291319 | Zig:14   | Killed a juggernaut
291319 | Zig:14   | Killed a juggernaut
291319 | Zig:14   | Killed a juggernaut
291319 | Zig:14   | Killed a juggernaut
291319 | Zig:14   | Killed a juggernaut
291319 | Zig:14   | Killed a juggernaut
291320 | Zig:14   | Killed a juggernaut
291320 | Zig:14   | Killed a juggernaut
291321 | Zig:14   | Noticed a juggernaut
291324 | Zig:14   | Killed a juggernaut
291325 | Zig:14   | Noticed a juggernaut
291325 | Zig:14   | Noticed a juggernaut
291326 | Zig:14   | Noticed a juggernaut
291326 | Zig:14   | Noticed a juggernaut
291327 | Zig:14   | Killed a juggernaut
291328 | Zig:14   | Noticed a juggernaut
291328 | Zig:14   | Noticed a juggernaut
291329 | Zig:14   | Killed a juggernaut
291331 | Zig:14   | Killed a juggernaut
291331 | Zig:14   | Killed a juggernaut
291331 | Zig:14   | Killed a juggernaut
291333 | Zig:14   | Killed a juggernaut
291350 | Zig:14   | Identified the amulet of Cirghaoj {Acrobat rElec rF+++
                  | Int-5 Stlth+}
291651 | Zig:14   | Identified the +2 leather armour of the Vacuum {rElec Str+3
                  | Dex-3}
291661 | Zig:14   | Identified the +4 arbalest of the Blessed Realm {speed, Fly
                  | rF+ Int+2}
291683 | Zig:14   | Identified the +7 war axe "Viohiz" {venom, rN+++ MP-9 Str-2
                  | SInv}
291689 | Zig:14   | Identified the amulet of Mameg {Spirit ^Drain ^Fragile
                  | rCorr SInv}
291692 | Zig:14   | Identified the +10 rapier of Welfare {holy, Will+ Int+3}
291704 | Zig:14   | Identified the ring of the Shining Light {rPois rC+ Dex+6
                  | Stlth+}
291719 | Zig:14   | Identified the staff "Sur Hapha" {rF+ Str-2 Dex+6 Fire}
291725 | Zig:14   | Identified the +7 arbalest of Resourcefulness {drain,
                  | rPois}
291769 | Zig:15   | Entered Level 15 of a ziggurat
291769 | Zig:15   | Noticed a royal mummy
291769 | Zig:15   | Noticed a royal mummy
291769 | Zig:15   | Noticed a royal mummy
291769 | Zig:15   | Noticed a royal mummy
291769 | Zig:15   | Noticed a royal mummy
291769 | Zig:15   | Noticed a royal mummy
291770 | Zig:15   | Killed a royal mummy
291770 | Zig:15   | Killed a royal mummy
291771 | Zig:15   | Noticed a royal mummy
291771 | Zig:15   | Noticed a royal mummy
291772 | Zig:15   | Killed a royal mummy
291772 | Zig:15   | Killed a royal mummy
291772 | Zig:15   | Killed a royal mummy
291772 | Zig:15   | Noticed a royal mummy
291772 | Zig:15   | Killed a royal mummy
291773 | Zig:15   | Noticed a royal mummy
291774 | Zig:15   | Killed a royal mummy
291774 | Zig:15   | Noticed a royal mummy
291775 | Zig:15   | Noticed a royal mummy
291776 | Zig:15   | Killed a royal mummy
291776 | Zig:15   | Killed a royal mummy
291776 | Zig:15   | Killed a royal mummy
291778 | Zig:15   | Noticed a royal mummy
291779 | Zig:15   | Killed a royal mummy
291779 | Zig:15   | Killed a royal mummy
291779 | Zig:15   | Noticed a royal mummy
291780 | Zig:15   | Killed a royal mummy
291781 | Zig:15   | Killed a royal mummy
291781 | Zig:15   | Noticed a royal mummy
291782 | Zig:15   | Noticed a royal mummy
291782 | Zig:15   | Noticed a royal mummy
291783 | Zig:15   | Noticed a royal mummy
291784 | Zig:15   | Killed a royal mummy
291784 | Zig:15   | Noticed a royal mummy
291784 | Zig:15   | Killed a royal mummy
291785 | Zig:15   | Noticed a royal mummy
291786 | Zig:15   | Killed a royal mummy
291786 | Zig:15   | Killed a royal mummy
291786 | Zig:15   | Killed a royal mummy
291790 | Zig:15   | Killed a royal mummy
291808 | Zig:15   | Identified the ring "Tapsecem" {rC+ rN++ Dex-5 Slay+2}
292151 | Zig:16   | Entered Level 16 of a ziggurat
292151 | Zig:16   | Noticed a juggernaut
292151 | Zig:16   | Noticed a juggernaut
292151 | Zig:16   | Noticed a juggernaut
292151 | Zig:16   | Noticed a juggernaut
292151 | Zig:16   | Noticed a juggernaut
292151 | Zig:16   | Noticed a juggernaut
292151 | Zig:16   | Noticed a juggernaut
292151 | Zig:16   | Noticed a juggernaut
292151 | Zig:16   | Noticed a juggernaut
292151 | Zig:16   | Noticed a juggernaut
292151 | Zig:16   | Noticed a juggernaut
292151 | Zig:16   | Noticed a juggernaut
292151 | Zig:16   | Noticed a juggernaut
292151 | Zig:16   | Noticed a juggernaut
292152 | Zig:16   | Killed a juggernaut
292153 | Zig:16   | Killed a juggernaut
292153 | Zig:16   | Killed a juggernaut
292153 | Zig:16   | Killed a juggernaut
292153 | Zig:16   | Killed a juggernaut
292153 | Zig:16   | Killed a juggernaut
292153 | Zig:16   | Killed a juggernaut
292153 | Zig:16   | Killed a juggernaut
292153 | Zig:16   | Killed a juggernaut
292153 | Zig:16   | Killed a juggernaut
292153 | Zig:16   | Noticed a juggernaut
292153 | Zig:16   | Killed a juggernaut
292154 | Zig:16   | Killed a juggernaut
292154 | Zig:16   | Killed a juggernaut
292155 | Zig:16   | Killed a juggernaut
292155 | Zig:16   | Killed a juggernaut
292155 | Zig:16   | Noticed a juggernaut
292155 | Zig:16   | Noticed a juggernaut
292155 | Zig:16   | Noticed a juggernaut
292155 | Zig:16   | Noticed a juggernaut
292156 | Zig:16   | Noticed a juggernaut
292156 | Zig:16   | Noticed a juggernaut
292157 | Zig:16   | Noticed a juggernaut
292158 | Zig:16   | Noticed a juggernaut
292159 | Zig:16   | Killed a juggernaut
292159 | Zig:16   | Killed a juggernaut
292159 | Zig:16   | Killed a juggernaut
292159 | Zig:16   | Killed a juggernaut
292159 | Zig:16   | Noticed a juggernaut
292160 | Zig:16   | Killed a juggernaut
292160 | Zig:16   | Killed a juggernaut
292160 | Zig:16   | Killed a juggernaut
292160 | Zig:16   | Killed a juggernaut
292161 | Zig:16   | Killed a juggernaut
292161 | Zig:16   | Noticed a juggernaut
292161 | Zig:16   | Noticed a juggernaut
292161 | Zig:16   | Noticed a juggernaut
292161 | Zig:16   | Noticed a juggernaut
292162 | Zig:16   | Noticed a juggernaut
292162 | Zig:16   | Noticed a juggernaut
292162 | Zig:16   | Noticed a juggernaut
292164 | Zig:16   | Killed a juggernaut
292164 | Zig:16   | Killed a juggernaut
292164 | Zig:16   | Killed a juggernaut
292164 | Zig:16   | Killed a juggernaut
292164 | Zig:16   | Killed a juggernaut
292164 | Zig:16   | Killed a juggernaut
292165 | Zig:16   | Noticed a juggernaut
292165 | Zig:16   | Noticed a juggernaut
292165 | Zig:16   | Noticed a juggernaut
292166 | Zig:16   | Killed a juggernaut
292167 | Zig:16   | Killed a juggernaut
292167 | Zig:16   | Killed a juggernaut
292167 | Zig:16   | Killed a juggernaut
292167 | Zig:16   | Noticed a juggernaut
292168 | Zig:16   | Noticed a juggernaut
292170 | Zig:16   | Killed a juggernaut
292170 | Zig:16   | Killed a juggernaut
292214 | Zig:16   | Identified the +4 bardiche of Sulphur {elec, rCorr Dex+3}
292482 | Zig:16   | Identified the +4 whip of Autumn {flame, Str+3}
292483 | Zig:16   | Identified the +9 sling "Bicomem" {freeze, rElec rF+
                  | Stlth+}
292488 | Zig:16   | Identified the +0 robe "Xoh Weom" {Int+5}
292491 | Zig:16   | Identified the staff of Xom's Castigation {^Fragile Dex+3
                  | Conj}
292492 | Zig:16   | Identified the ring of Qazlal's Condemnation {rF+ Str+6
                  | Stlth+}
292507 | Zig:16   | Identified the +6 spear of the Coward {flame, SInv}
292519 | Zig:16   | Identified the +4 leather armour of Ogufel {rElec Str+3}
292550 | Zig:16   | Identified the +1 ring mail "Gomoff" {rPois}
292556 | Zig:17   | Entered Level 17 of a ziggurat
292568 | Zig:17   | Noticed a dread lich
292569 | Zig:17   | Killed a dread lich
292594 | Zig:17   | Identified the +9 mace of Ipse Dixit {freeze, Dex+5}
292674 | Zig:17   | Identified the +7 falchion of Fortitude {speed, Str+3}
292675 | Zig:17   | Identified the +3 falchion of the Usurping Mosquito {elec,
                  | rElec Str+3}
292685 | Zig:17   | Identified the ring "Borony" {rF- rC+ rN+ Stlth+}
292706 | Zig:17   | Identified the ring of the Blushing Gods {rPois EV+5 Int+2}
292711 | Zig:17   | Identified the +1 plate armour "Ulooxu" {Harm Slay+2}
292717 | Zig:17   | Identified the +9 short sword of the Everdark {flame, Str+3
                  | Int-3 Dex+5}
293055 | Zig:18   | Entered Level 18 of a ziggurat
293101 | Zig:18   | Identified the +11 rapier of Defiance {protect, rElec rN+
                  | Will++ Int-5}
293393 | Zig:18   | Identified the +0 plate armour "Cuon Ria" {rElec rN+ Str-2
                  | Stlth+}
293395 | Zig:18   | Identified the amulet "Rafiotir" {Regen+ Int+4}
293399 | Zig:18   | Identified the staff of Certain Death {*Corrode rC+ Str+4
                  | Stlth+ Summ Ice}
293401 | Zig:18   | Identified the +9 mace of Izxaoc {drain, Str+4 Dex+3}
293430 | Zig:18   | Identified the ring of Abstinence {rPois rF- rN+ Dex+2}
293435 | Zig:18   | Identified the ring of Iroi {rPois rC- rN+ Int+4}
293443 | Zig:18   | Identified the +7 mace "Atiot" {chaos, Str+2 Dex+6}
293477 | Zig:19   | Entered Level 19 of a ziggurat
293547 | Zig:19   | Identified the ring "Esu Zimo" {rN+ Int+6}
293569 | Zig:19   | Identified the +9 hand cannon "Toniace" {freeze, MP+9 Int+2
                  | SInv}
293572 | Zig:19   | Identified the +1 orcbow "Taehuvarch" {speed, *Corrode
                  | rElec Will+++ Str+2}
293580 | Zig:19   | Identified the +5 ring mail of the Poles {Dex+7 SInv}
293587 | Zig:19   | Identified the +9 dagger of the Brewing Gods {vamp, rF+
                  | Str+3 Int+7}
293641 | Zig:19   | Identified the +6 whip of Linearity {holy, rC+}
293923 | Zig:19   | Identified the +0 eudemon blade of Zayqur {holy, rF+ Int+2}
293940 | Zig:20   | Entered Level 20 of a ziggurat
293940 | Zig:20   | Noticed a dread lich
293940 | Zig:20   | Noticed an ancient lich
293940 | Zig:20   | Noticed an ancient lich
293940 | Zig:20   | Noticed an ancient lich
293940 | Zig:20   | Noticed a dread lich
293940 | Zig:20   | Noticed an ancient lich
293940 | Zig:20   | Noticed an ancient lich
293940 | Zig:20   | Noticed an ancient lich
293940 | Zig:20   | Noticed a dread lich
293940 | Zig:20   | Noticed a dread lich
293940 | Zig:20   | Noticed a dread lich
293940 | Zig:20   | Noticed an ancient lich
293940 | Zig:20   | Noticed a dread lich
293940 | Zig:20   | Noticed a dread lich
293940 | Zig:20   | Noticed an ancient lich
293940 | Zig:20   | Noticed a dread lich
293940 | Zig:20   | Noticed an ancient lich
293940 | Zig:20   | Noticed a dread lich
293940 | Zig:20   | Noticed a dread lich
293940 | Zig:20   | Noticed a dread lich
293940 | Zig:20   | Noticed a dread lich
293941 | Zig:20   | Killed a dread lich
293941 | Zig:20   | Killed a dread lich
293941 | Zig:20   | Killed a dread lich
293941 | Zig:20   | Killed an ancient lich
293941 | Zig:20   | Killed a dread lich
293941 | Zig:20   | Killed a dread lich
293941 | Zig:20   | Killed an ancient lich
293941 | Zig:20   | Killed a dread lich
293941 | Zig:20   | Killed an ancient lich
293941 | Zig:20   | Killed an ancient lich
293942 | Zig:20   | Killed a dread lich
293942 | Zig:20   | Killed a dread lich
293942 | Zig:20   | Killed an ancient lich
293942 | Zig:20   | Killed a dread lich
293942 | Zig:20   | Killed an ancient lich
293942 | Zig:20   | Killed a dread lich
293942 | Zig:20   | Killed a dread lich
293942 | Zig:20   | Killed an ancient lich
293942 | Zig:20   | Killed an ancient lich
293942 | Zig:20   | Killed a dread lich
293942 | Zig:20   | Killed an ancient lich
293943 | Zig:20   | Noticed a dread lich
293943 | Zig:20   | Noticed an ancient lich
293943 | Zig:20   | Noticed a dread lich
293943 | Zig:20   | Noticed a dread lich
293943 | Zig:20   | Noticed an ancient lich
293944 | Zig:20   | Killed an ancient lich
293945 | Zig:20   | Noticed a dread lich
293945 | Zig:20   | Noticed a dread lich
293945 | Zig:20   | Noticed a dread lich
293945 | Zig:20   | Noticed a dread lich
293945 | Zig:20   | Noticed a dread lich
293945 | Zig:20   | Noticed an ancient lich
293946 | Zig:20   | Killed an ancient lich
293946 | Zig:20   | Killed a dread lich
293946 | Zig:20   | Killed a dread lich
293946 | Zig:20   | Killed a dread lich
293946 | Zig:20   | Killed a dread lich
293947 | Zig:20   | Noticed a dread lich
293947 | Zig:20   | Noticed a dread lich
293947 | Zig:20   | Noticed an ancient lich
293947 | Zig:20   | Noticed a dread lich
293947 | Zig:20   | Noticed a dread lich
293948 | Zig:20   | Killed a dread lich
293948 | Zig:20   | Killed a dread lich
293948 | Zig:20   | Killed a dread lich
293948 | Zig:20   | Killed a dread lich
293948 | Zig:20   | Killed an ancient lich
293948 | Zig:20   | Killed a dread lich
293948 | Zig:20   | Killed an ancient lich
293948 | Zig:20   | Killed a dread lich
293948 | Zig:20   | Killed a dread lich
293948 | Zig:20   | Noticed an ancient lich
293948 | Zig:20   | Killed a dread lich
293948 | Zig:20   | Noticed an ancient lich
293949 | Zig:20   | Noticed a dread lich
293949 | Zig:20   | Noticed an ancient lich
293949 | Zig:20   | Noticed a dread lich
293949 | Zig:20   | Noticed a dread lich
293950 | Zig:20   | Killed a dread lich
293950 | Zig:20   | Killed a dread lich
293950 | Zig:20   | Killed a dread lich
293951 | Zig:20   | Noticed a dread lich
293951 | Zig:20   | Noticed a dread lich
293951 | Zig:20   | Noticed an ancient lich
293952 | Zig:20   | Killed an ancient lich
293952 | Zig:20   | Killed an ancient lich
293952 | Zig:20   | Killed an ancient lich
293952 | Zig:20   | Killed a dread lich
293952 | Zig:20   | Killed a dread lich
293952 | Zig:20   | Killed an ancient lich
293953 | Zig:20   | Noticed an ancient lich
293953 | Zig:20   | Noticed an ancient lich
293953 | Zig:20   | Noticed a dread lich
293953 | Zig:20   | Noticed an ancient lich
293953 | Zig:20   | Noticed an ancient lich
293953 | Zig:20   | Noticed a dread lich
293953 | Zig:20   | Noticed a dread lich
293954 | Zig:20   | Killed an ancient lich
293954 | Zig:20   | Killed a dread lich
293954 | Zig:20   | Killed a dread lich
293954 | Zig:20   | Killed an ancient lich
293954 | Zig:20   | Noticed an ancient lich
293954 | Zig:20   | Noticed an ancient lich
293954 | Zig:20   | Noticed a dread lich
293955 | Zig:20   | Noticed a dread lich
293955 | Zig:20   | Noticed a dread lich
293955 | Zig:20   | Noticed a dread lich
293955 | Zig:20   | Noticed a dread lich
293956 | Zig:20   | Killed an ancient lich
293956 | Zig:20   | Killed a dread lich
293956 | Zig:20   | Killed a dread lich
293956 | Zig:20   | Killed a dread lich
293957 | Zig:20   | Noticed a dread lich
293957 | Zig:20   | Noticed an ancient lich
293957 | Zig:20   | Noticed an ancient lich
293957 | Zig:20   | Noticed a dread lich
293957 | Zig:20   | Noticed an ancient lich
293957 | Zig:20   | Killed a dread lich
293957 | Zig:20   | Noticed an ancient lich
293958 | Zig:20   | Killed an ancient lich
293958 | Zig:20   | Killed an ancient lich
293958 | Zig:20   | Killed a dread lich
293958 | Zig:20   | Killed an ancient lich
293958 | Zig:20   | Killed a dread lich
293958 | Zig:20   | Killed a dread lich
293958 | Zig:20   | Noticed a dread lich
293959 | Zig:20   | Noticed an ancient lich
293959 | Zig:20   | Noticed a dread lich
293959 | Zig:20   | Noticed a dread lich
293960 | Zig:20   | Killed an ancient lich
293960 | Zig:20   | Killed an ancient lich
293960 | Zig:20   | Killed an ancient lich
293960 | Zig:20   | Killed a dread lich
293960 | Zig:20   | Killed an ancient lich
293960 | Zig:20   | Killed a dread lich
293960 | Zig:20   | Killed an ancient lich
293961 | Zig:20   | Noticed an ancient lich
293961 | Zig:20   | Noticed a dread lich
293961 | Zig:20   | Noticed an ancient lich
293961 | Zig:20   | Noticed an ancient lich
293961 | Zig:20   | Noticed an ancient lich
293961 | Zig:20   | Noticed a dread lich
293962 | Zig:20   | Killed a dread lich
293962 | Zig:20   | Killed a dread lich
293962 | Zig:20   | Killed an ancient lich
293962 | Zig:20   | Killed an ancient lich
293962 | Zig:20   | Killed an ancient lich
293963 | Zig:20   | Noticed a dread lich
293963 | Zig:20   | Noticed a dread lich
293963 | Zig:20   | Noticed a dread lich
293964 | Zig:20   | Killed an ancient lich
293964 | Zig:20   | Killed a dread lich
293964 | Zig:20   | Killed a dread lich
293964 | Zig:20   | Killed a dread lich
293964 | Zig:20   | Noticed a dread lich
293966 | Zig:20   | Killed a dread lich
293966 | Zig:20   | Killed a dread lich
293966 | Zig:20   | Noticed an ancient lich
293968 | Zig:20   | Killed a dread lich
293970 | Zig:20   | Killed an ancient lich
293997 | Zig:20   | Identified the +2 scale mail of Laetzecau {MP+9}
293999 | Zig:20   | Identified the ring "Ossoat" {Will+ Str+4}
294439 | Zig:20   | Identified the +0 sling of Bursted Action {heavy, rC+ Will+
                  | Str-5 Stlth+}
294443 | Zig:20   | Identified the +12 mace of a bazaar {pain, rF+}
294471 | Zig:20   | Identified the +10 whip "Unaoz" {freeze, rPois rN+}
294479 | Zig:20   | Identified the ring "Geyduh" {rC+ rCorr Slay+3}
294538 | Zig:21   | Entered Level 21 of a ziggurat
294614 | Zig:21   | Identified the staff "Reite" {Str-4 Int+5 Conj}
294620 | Zig:21   | Identified the +4 mace of the Grave {freeze, rCorr}
295149 | Zig:22   | Entered Level 22 of a ziggurat
295666 | Zig:22   | Identified the +2 scimitar of Death {venom, rC+}
295675 | Zig:22   | Identified the +2 lajatang "Berudun" {venom, Fly rF- Dex+3}
295676 | Zig:22   | Identified the +3 falchion of the Depths {flame, rPois
                  | rN+++ Will- Dex-5}
295688 | Zig:22   | Identified the +0 war axe of the Ecumenical Temple {freeze,
                  | Dex+10}
295689 | Zig:22   | Identified the +11 dagger "Orho" {freeze, rElec MP+9}
295723 | Zig:23   | Entered Level 23 of a ziggurat
295783 | Zig:23   | Identified the +3 flail of the Shining Light {venom, Fly
                  | Str+3 Dex+3}
295786 | Zig:23   | Identified the +1 leather armour of the Harp {rC+ Int+4
                  | Slay+3}
295800 | Zig:23   | Identified the staff of the Verdant God {^Fragile rPois
                  | rCorr Str-5 Summ Alchemy}
295821 | Zig:23   | Identified the staff of Recklessness {rPois rF+ Alchemy}
295823 | Zig:23   | Identified the ring of Lesser Demons {Wiz rF+ rC+ Str-2}
295895 | Zig:23   | Identified the +7 shortbow of Cocytus {elec, Str+2 Int+2
                  | Stlth+}
296363 | Zig:24   | Entered Level 24 of a ziggurat
296420 | Zig:24   | Identified the +1 flail of the Iron City of Dis {holy,
                  | Int-2 Dex+2 SInv}
296421 | Zig:24   | Identified the +3 helmet of Syndicalism {rC+ rN+}
296422 | Zig:24   | Identified the staff of Corpus Delicti {rC+++ Conj Fire}
296425 | Zig:24   | Identified the +10 trident "Dutumoung" {speed, rElec Dex+6}
296873 | Zig:24   | Identified the +1 whip "Fuyddix" {flame, Int+2 SInv}
296892 | Zig:24   | Identified the +4 eudemon blade of Income {holy, Str+3}
296910 | Zig:24   | Identified the +7 scale mail of Grace {rF- Dex+5}
296918 | Zig:24   | Identified the +0 scale mail of Ru's Anger {rC+ Int+3}
296923 | Zig:24   | Identified the +2 scimitar of Law {vamp, *Rage rF+ Int+2}
296976 | Zig:24   | Identified the +10 short sword of Toruiwke {flame, Str+5}
296978 | Zig:24   | Identified the +1 leather armour of the Present {SInv}
297058 | Zig:25   | Entered Level 25 of a ziggurat
297105 | Zig:25   | Identified the +6 sling of Lies {heavy, rPois rC+ Str+2}
297150 | Zig:25   | Identified the +5 ring mail of Gammus {Slay+3}
297154 | Zig:25   | Identified the +5 chain mail of Vexation {rElec Int+2}
297156 | Zig:25   | Identified the +2 robe "Vaso" {rCorr SInv}
297158 | Zig:25   | Identified the staff "Ret Qypt" {rElec rN++ Air}
297174 | Zig:25   | Identified the +1 shortbow of the Forgotten Realms {drain,
                  | Str+3}
297181 | Zig:25   | Identified the ring of Emishippu {rC+ rN+}
297192 | Zig:25   | Identified the amulet of Lugonu's Wrath {RegenMP rF+ Int+3}
297209 | Zig:25   | Identified the +0 plate armour "Xarugg" {rF+}
297214 | Zig:25   | Identified the staff of the World {rPois rC+ rN+ Ice}
297224 | Zig:25   | Identified the staff "Taseijem" {^Fragile rF+ SInv Conj}
297230 | Zig:25   | Identified the +4 scale mail of Failure {rF+}
297240 | Zig:25   | Identified the staff of Anxiety {rF+ Int-3 Dex+4 Tloc Fire
                  | Earth}
297297 | Zig:25   | Identified the ring of Qev Ukki {rElec Will+ Int-2 Stlth+}
297299 | Zig:25   | Identified the +1 leather armour of the Charming Gods {Fly
                  | rF+}
297795 | Zig:26   | Entered Level 26 of a ziggurat
297880 | Zig:26   | Identified the +7 scimitar "Saxt" {protect, Str+5 Dex+3
                  | Stlth-}
297900 | Zig:26   | Identified the ring of Sin {rElec rF++ Str+6 Stlth+}
297902 | Zig:26   | Identified the +1 chain mail of the Wary Dances {rN+ Str+2}
297906 | Zig:26   | Identified the +4 arbalest "Dunekh" {penet, rC+ Stlth+}
297909 | Zig:26   | Identified the +0 chain mail of the Bruised Knives {Harm
                  | *Slow Str+6}
298456 | Zig:26   | Identified the staff of Cocytus {rElec Will+ Air}
298515 | Zig:27   | Entered Level 27 of a ziggurat
298515 | Zig:27   | Noticed a dread lich
298515 | Zig:27   | Noticed an ancient lich
298515 | Zig:27   | Noticed an ancient lich
298515 | Zig:27   | Noticed an ancient lich
298515 | Zig:27   | Noticed an ancient lich
298515 | Zig:27   | Noticed a dread lich
298515 | Zig:27   | Noticed an ancient lich
298515 | Zig:27   | Noticed a dread lich
298515 | Zig:27   | Noticed a dread lich
298515 | Zig:27   | Noticed a dread lich
298515 | Zig:27   | Noticed an ancient lich
298515 | Zig:27   | Noticed a dread lich
298515 | Zig:27   | Noticed a dread lich
298516 | Zig:27   | Killed a dread lich
298516 | Zig:27   | Killed a dread lich
298516 | Zig:27   | Killed an ancient lich
298516 | Zig:27   | Killed an ancient lich
298516 | Zig:27   | Killed a dread lich
298517 | Zig:27   | Killed a dread lich
298517 | Zig:27   | Killed a dread lich
298517 | Zig:27   | Killed an ancient lich
298517 | Zig:27   | Killed a dread lich
298517 | Zig:27   | Killed an ancient lich
298517 | Zig:27   | Killed a dread lich
298517 | Zig:27   | Killed an ancient lich
298517 | Zig:27   | Killed an ancient lich
298517 | Zig:27   | Noticed an ancient lich
298517 | Zig:27   | Noticed an ancient lich
298517 | Zig:27   | Noticed an ancient lich
298517 | Zig:27   | Noticed an ancient lich
298518 | Zig:27   | Noticed a dread lich
298518 | Zig:27   | Noticed a dread lich
298518 | Zig:27   | Noticed a dread lich
298518 | Zig:27   | Noticed an ancient lich
298519 | Zig:27   | Noticed a dread lich
298519 | Zig:27   | Noticed a dread lich
298519 | Zig:27   | Killed a dread lich
298519 | Zig:27   | Killed a dread lich
298519 | Zig:27   | Killed a dread lich
298519 | Zig:27   | Killed an ancient lich
298519 | Zig:27   | Killed a dread lich
298520 | Zig:27   | Killed an ancient lich
298520 | Zig:27   | Killed an ancient lich
298520 | Zig:27   | Killed an ancient lich
298520 | Zig:27   | Killed an ancient lich
298520 | Zig:27   | Killed a dread lich
298520 | Zig:27   | Noticed a dread lich
298520 | Zig:27   | Noticed a dread lich
298521 | Zig:27   | Noticed a dread lich
298521 | Zig:27   | Noticed an ancient lich
298521 | Zig:27   | Noticed an ancient lich
298521 | Zig:27   | Noticed a dread lich
298521 | Zig:27   | Noticed an ancient lich
298521 | Zig:27   | Noticed an ancient lich
298521 | Zig:27   | Noticed a dread lich
298522 | Zig:27   | Killed a dread lich
298522 | Zig:27   | Killed a dread lich
298522 | Zig:27   | Killed an ancient lich
298522 | Zig:27   | Killed a dread lich
298522 | Zig:27   | Killed an ancient lich
298523 | Zig:27   | Killed a dread lich
298523 | Zig:27   | Killed a dread lich
298523 | Zig:27   | Killed an ancient lich
298523 | Zig:27   | Killed an ancient lich
298523 | Zig:27   | Noticed a dread lich
298523 | Zig:27   | Noticed a dread lich
298524 | Zig:27   | Noticed an ancient lich
298525 | Zig:27   | Noticed an ancient lich
298525 | Zig:27   | Noticed a dread lich
298525 | Zig:27   | Killed a dread lich
298525 | Zig:27   | Killed a dread lich
298525 | Zig:27   | Killed an ancient lich
298525 | Zig:27   | Killed an ancient lich
298525 | Zig:27   | Killed a dread lich
298526 | Zig:27   | Noticed a dread lich
298527 | Zig:27   | Noticed an ancient lich
298527 | Zig:27   | Noticed a dread lich
298528 | Zig:27   | Killed an ancient lich
298529 | Zig:27   | Killed a dread lich
298529 | Zig:27   | Killed a dread lich
298530 | Zig:27   | Noticed an ancient lich
298530 | Zig:27   | Noticed a dread lich
298530 | Zig:27   | Noticed an ancient lich
298530 | Zig:27   | Noticed an ancient lich
298530 | Zig:27   | Noticed a dread lich
298530 | Zig:27   | Noticed an ancient lich
298530 | Zig:27   | Noticed a dread lich
298531 | Zig:27   | Killed a dread lich
298531 | Zig:27   | Killed a dread lich
298531 | Zig:27   | Killed an ancient lich
298531 | Zig:27   | Killed a dread lich
298532 | Zig:27   | Killed an ancient lich
298532 | Zig:27   | Killed an ancient lich
298532 | Zig:27   | Noticed an ancient lich
298532 | Zig:27   | Noticed an ancient lich
298532 | Zig:27   | Noticed an ancient lich
298533 | Zig:27   | Noticed an ancient lich
298533 | Zig:27   | Noticed a dread lich
298533 | Zig:27   | Noticed a dread lich
298533 | Zig:27   | Noticed an ancient lich
298533 | Zig:27   | Noticed an ancient lich
298533 | Zig:27   | Noticed a dread lich
298533 | Zig:27   | Noticed a dread lich
298534 | Zig:27   | Noticed an ancient lich
298534 | Zig:27   | Killed an ancient lich
298534 | Zig:27   | Killed an ancient lich
298534 | Zig:27   | Killed an ancient lich
298534 | Zig:27   | Killed an ancient lich
298534 | Zig:27   | Killed a dread lich
298534 | Zig:27   | Killed a dread lich
298534 | Zig:27   | Killed a dread lich
298534 | Zig:27   | Killed a dread lich
298535 | Zig:27   | Killed an ancient lich
298535 | Zig:27   | Killed an ancient lich
298535 | Zig:27   | Killed an ancient lich
298535 | Zig:27   | Noticed an ancient lich
298535 | Zig:27   | Noticed a dread lich
298535 | Zig:27   | Noticed a dread lich
298536 | Zig:27   | Noticed a dread lich
298536 | Zig:27   | Noticed a dread lich
298536 | Zig:27   | Noticed a dread lich
298536 | Zig:27   | Noticed an ancient lich
298536 | Zig:27   | Noticed a dread lich
298537 | Zig:27   | Killed an ancient lich
298537 | Zig:27   | Killed a dread lich
298537 | Zig:27   | Killed a dread lich
298537 | Zig:27   | Killed a dread lich
298537 | Zig:27   | Killed an ancient lich
298537 | Zig:27   | Noticed an ancient lich
298537 | Zig:27   | Noticed an ancient lich
298537 | Zig:27   | Noticed a dread lich
298537 | Zig:27   | Noticed a dread lich
298538 | Zig:27   | Noticed an ancient lich
298538 | Zig:27   | Killed an ancient lich
298538 | Zig:27   | Killed a dread lich
298538 | Zig:27   | Killed a dread lich
298538 | Zig:27   | Killed an ancient lich
298538 | Zig:27   | Killed a dread lich
298538 | Zig:27   | Noticed a dread lich
298539 | Zig:27   | Noticed a dread lich
298540 | Zig:27   | Killed an ancient lich
298540 | Zig:27   | Killed a dread lich
298540 | Zig:27   | Killed a dread lich
298540 | Zig:27   | Killed an ancient lich
298540 | Zig:27   | Killed a dread lich
298541 | Zig:27   | Killed a dread lich
298542 | Zig:27   | Noticed a dread lich
298542 | Zig:27   | Noticed a dread lich
298542 | Zig:27   | Noticed an ancient lich
298542 | Zig:27   | Noticed a dread lich
298542 | Zig:27   | Noticed a dread lich
298543 | Zig:27   | Noticed a dread lich
298544 | Zig:27   | Killed a dread lich
298544 | Zig:27   | Killed a dread lich
298544 | Zig:27   | Killed a dread lich
298544 | Zig:27   | Killed a dread lich
298544 | Zig:27   | Killed a dread lich
298544 | Zig:27   | Killed an ancient lich
298544 | Zig:27   | Noticed a dread lich
298544 | Zig:27   | Noticed an ancient lich
298544 | Zig:27   | Noticed an ancient lich
298545 | Zig:27   | Noticed a dread lich
298546 | Zig:27   | Killed an ancient lich
298546 | Zig:27   | Killed a dread lich
298546 | Zig:27   | Noticed an ancient lich
298547 | Zig:27   | Noticed a dread lich
298547 | Zig:27   | Killed a dread lich
298547 | Zig:27   | Killed an ancient lich
298547 | Zig:27   | Killed a dread lich
298548 | Zig:27   | Noticed a dread lich
298548 | Zig:27   | Noticed a dread lich
298548 | Zig:27   | Noticed an ancient lich
298549 | Zig:27   | Killed an ancient lich
298549 | Zig:27   | Killed an ancient lich
298549 | Zig:27   | Noticed an ancient lich
298550 | Zig:27   | Killed a dread lich
298550 | Zig:27   | Killed an ancient lich
298550 | Zig:27   | Killed a dread lich
298550 | Zig:27   | Noticed an ancient lich
298550 | Zig:27   | Noticed a dread lich
298550 | Zig:27   | Noticed an ancient lich
298551 | Zig:27   | Noticed a dread lich
298551 | Zig:27   | Noticed a dread lich
298551 | Zig:27   | Noticed an ancient lich
298552 | Zig:27   | Killed an ancient lich
298552 | Zig:27   | Killed a dread lich
298552 | Zig:27   | Killed a dread lich
298553 | Zig:27   | Killed an ancient lich
298553 | Zig:27   | Killed a dread lich
298553 | Zig:27   | Killed an ancient lich
298555 | Zig:27   | Noticed an ancient lich
298556 | Zig:27   | Killed an ancient lich
298557 | Zig:27   | Noticed a dread lich
298558 | Zig:27   | Killed a dread lich
298576 | Zig:27   | Identified the +1 robe of Elitism {+Inv rC+}
298634 | Zig:27   | Identified the ring of the Spinneret {rF+ EV+5}
298636 | Zig:27   | Identified the death talisman of Charity {Str+5}
298666 | Zig:27   | Identified the +3 great sword "Lapn" {pain, Dex+3}
298675 | Zig:27   | Identified the +8 longbow of Cetawnibe {freeze, rPois rN+
                  | Int+2 Dex-2}
298679 | Zig:27   | Identified the +1 scale mail of Cozest {^Drain Will+
                  | Regen+}
298701 | Zig:27   | Identified the +1 rapier of Zyola {vamp, rF+ Will- Int+7}
298709 | Zig:27   | Identified the ring "Napeam Waics" {rF+ rN+ Str-5 Int+3}
298718 | Zig:27   | Identified the +6 spear of the Hand {drain, Str+5}
298731 | Zig:27   | Identified the +0 plate armour of the Dice {Dex+2}
299188 | Zig:27   | Identified the +6 eudemon blade of Hubev {holy, ^Drain
                  | *Slow rElec Stlth+}
299194 | Zig:27   | Identified the +5 scale mail of the Mackerel {Str+2}
299198 | Zig:27   | Identified the +7 orcbow "Voscheong" {drain, rElec}
299237 | Zig:1    | Entered Level 1 of a ziggurat
299336 | Zig:2    | Entered Level 2 of a ziggurat
299450 | Zig:3    | Entered Level 3 of a ziggurat
299630 | Zig:4    | Entered Level 4 of a ziggurat
299630 | Zig:4    | Noticed a dread lich
299630 | Zig:4    | Noticed a dread lich
299630 | Zig:4    | Noticed a dread lich
299630 | Zig:4    | Noticed an ancient lich
299630 | Zig:4    | Noticed an ancient lich
299630 | Zig:4    | Noticed an ancient lich
299630 | Zig:4    | Noticed an ancient lich
299630 | Zig:4    | Noticed an ancient lich
299630 | Zig:4    | Noticed a dread lich
299630 | Zig:4    | Noticed a dread lich
299630 | Zig:4    | Noticed a dread lich
299630 | Zig:4    | Noticed an ancient lich
299630 | Zig:4    | Noticed an ancient lich
299630 | Zig:4    | Noticed a dread lich
299630 | Zig:4    | Noticed an ancient lich
299630 | Zig:4    | Noticed an ancient lich
299630 | Zig:4    | Noticed an ancient lich
299630 | Zig:4    | Noticed a dread lich
299630 | Zig:4    | Noticed a dread lich
299631 | Zig:4    | Killed a dread lich
299631 | Zig:4    | Killed an ancient lich
299631 | Zig:4    | Killed an ancient lich
299631 | Zig:4    | Noticed an ancient lich
299631 | Zig:4    | Killed a dread lich
299631 | Zig:4    | Killed an ancient lich
299631 | Zig:4    | Killed a dread lich
299632 | Zig:4    | Killed a dread lich
299632 | Zig:4    | Killed an ancient lich
299632 | Zig:4    | Killed an ancient lich
299632 | Zig:4    | Killed a dread lich
299632 | Zig:4    | Killed an ancient lich
299632 | Zig:4    | Killed an ancient lich
299632 | Zig:4    | Killed an ancient lich
299632 | Zig:4    | Killed an ancient lich
299632 | Zig:4    | Killed a dread lich
299632 | Zig:4    | Killed an ancient lich
299632 | Zig:4    | Killed an ancient lich
299632 | Zig:4    | Killed a dread lich
299632 | Zig:4    | Killed a dread lich
299632 | Zig:4    | Killed a dread lich
299632 | Zig:4    | Noticed a dread lich
299632 | Zig:4    | Killed a dread lich
299632 | Zig:4    | Noticed an ancient lich
299632 | Zig:4    | Noticed a dread lich
299634 | Zig:4    | Noticed an ancient lich
299635 | Zig:4    | Killed an ancient lich
299635 | Zig:4    | Noticed a dread lich
299636 | Zig:4    | Noticed an ancient lich
299637 | Zig:4    | Killed an ancient lich
299637 | Zig:4    | Killed an ancient lich
299638 | Zig:4    | Killed a dread lich
299639 | Zig:4    | Killed a dread lich
299827 | Zig:5    | Entered Level 5 of a ziggurat
299907 | Zig:5    | Identified the +2 long sword of Utam {holy, rPois rC+
                  | Int+5}
300097 | Zig:6    | Entered Level 6 of a ziggurat
300097 | Zig:6    | Noticed a royal mummy
300097 | Zig:6    | Noticed a royal mummy
300097 | Zig:6    | Noticed a royal mummy
300097 | Zig:6    | Noticed a royal mummy
300097 | Zig:6    | Noticed a royal mummy
300097 | Zig:6    | Noticed a royal mummy
300097 | Zig:6    | Noticed a royal mummy
300097 | Zig:6    | Noticed a royal mummy
300097 | Zig:6    | Noticed a royal mummy
300097 | Zig:6    | Noticed a royal mummy
300098 | Zig:6    | Killed a royal mummy
300098 | Zig:6    | Killed a royal mummy
300098 | Zig:6    | Killed a royal mummy
300098 | Zig:6    | Killed a royal mummy
300098 | Zig:6    | Killed a royal mummy
300098 | Zig:6    | Killed a royal mummy
300098 | Zig:6    | Killed a royal mummy
300098 | Zig:6    | Killed a royal mummy
300099 | Zig:6    | Noticed a royal mummy
300099 | Zig:6    | Noticed a royal mummy
300099 | Zig:6    | Killed a royal mummy
300100 | Zig:6    | Killed a royal mummy
300100 | Zig:6    | Killed a royal mummy
300101 | Zig:6    | Noticed a royal mummy
300102 | Zig:6    | Killed a royal mummy
300103 | Zig:6    | Killed a royal mummy
300104 | Zig:6    | Noticed a royal mummy
300106 | Zig:6    | Noticed a royal mummy
300108 | Zig:6    | Killed a royal mummy
300109 | Zig:6    | Killed a royal mummy
300295 | Zig:6    | Identified the +8 plate armour of a ziggurat {Int+6}
300297 | Zig:6    | Identified the +1 hand axe "Backscratcher" {protect, rF+
                  | Will+}
300321 | Zig:6    | Identified the +6 sling "Azeos" {heavy, Will+ Str-2 Dex+2
                  | Stlth+}
300344 | Zig:7    | Entered Level 7 of a ziggurat
300451 | Zig:7    | Identified the +6 eudemon blade "Bolumix" {holy, rElec
                  | Stlth+}
300453 | Zig:7    | Identified the staff of Intuition {rC+ Will- Dex+3 Conj}
300463 | Zig:7    | Identified the +4 leather armour "Gothren" {rC+ rN+ Dex+3
                  | Slay-4}
300473 | Zig:7    | Identified the +4 orcbow of Ymurghaet {flame, Int+2}
300478 | Zig:7    | Identified the staff "Uddetiho" {Int+3 Earth}
300479 | Zig:7    | Identified the staff of Parts Unknown {rElec rPois rF+
                  | rCorr Alchemy}
300696 | Zig:8    | Entered Level 8 of a ziggurat
301023 | Zig:8    | Identified the staff of Articulation {rElec rC+ rCorr Int-4
                  | Tloc Ice}
301025 | Zig:8    | Identified the +1 robe "Esi Kod" {Str+2 Stlth+}
301052 | Zig:8    | Identified the staff of Valour {rN+ SInv Necro}
301086 | Zig:9    | Entered Level 9 of a ziggurat
301086 | Zig:9    | Noticed a dread lich
301086 | Zig:9    | Noticed an ancient lich
301086 | Zig:9    | Noticed an ancient lich
301086 | Zig:9    | Noticed a dread lich
301086 | Zig:9    | Noticed a dread lich
301086 | Zig:9    | Noticed a dread lich
301086 | Zig:9    | Noticed an ancient lich
301086 | Zig:9    | Noticed an ancient lich
301086 | Zig:9    | Noticed an ancient lich
301086 | Zig:9    | Noticed a dread lich
301086 | Zig:9    | Noticed an ancient lich
301086 | Zig:9    | Noticed an ancient lich
301086 | Zig:9    | Noticed a dread lich
301086 | Zig:9    | Noticed an ancient lich
301086 | Zig:9    | Noticed a dread lich
301086 | Zig:9    | Noticed an ancient lich
301086 | Zig:9    | Noticed an ancient lich
301086 | Zig:9    | Noticed an ancient lich
301086 | Zig:9    | Noticed a dread lich
301086 | Zig:9    | Noticed an ancient lich
301086 | Zig:9    | Noticed a dread lich
301086 | Zig:9    | Noticed a dread lich
301086 | Zig:9    | Noticed a dread lich
301086 | Zig:9    | Noticed an ancient lich
301086 | Zig:9    | Noticed a dread lich
301086 | Zig:9    | Noticed a dread lich
301086 | Zig:9    | Noticed an ancient lich
301087 | Zig:9    | Killed an ancient lich
301087 | Zig:9    | Killed an ancient lich
301087 | Zig:9    | Killed a dread lich
301087 | Zig:9    | Killed an ancient lich
301087 | Zig:9    | Killed an ancient lich
301087 | Zig:9    | Killed an ancient lich
301087 | Zig:9    | Killed an ancient lich
301087 | Zig:9    | Killed a dread lich
301087 | Zig:9    | Killed an ancient lich
301088 | Zig:9    | Killed a dread lich
301088 | Zig:9    | Killed an ancient lich
301088 | Zig:9    | Killed a dread lich
301088 | Zig:9    | Killed a dread lich
301088 | Zig:9    | Killed a dread lich
301088 | Zig:9    | Killed an ancient lich
301088 | Zig:9    | Killed a dread lich
301088 | Zig:9    | Killed a dread lich
301088 | Zig:9    | Killed a dread lich
301088 | Zig:9    | Killed an ancient lich
301088 | Zig:9    | Killed a dread lich
301088 | Zig:9    | Killed an ancient lich
301088 | Zig:9    | Killed a dread lich
301088 | Zig:9    | Killed an ancient lich
301088 | Zig:9    | Killed an ancient lich
301088 | Zig:9    | Killed a dread lich
301088 | Zig:9    | Killed a dread lich
301088 | Zig:9    | Noticed an ancient lich
301088 | Zig:9    | Noticed a dread lich
301088 | Zig:9    | Noticed an ancient lich
301088 | Zig:9    | Noticed an ancient lich
301089 | Zig:9    | Killed an ancient lich
301089 | Zig:9    | Killed an ancient lich
301089 | Zig:9    | Killed a dread lich
301089 | Zig:9    | Killed an ancient lich
301089 | Zig:9    | Noticed an ancient lich
301090 | Zig:9    | Noticed an ancient lich
301091 | Zig:9    | Noticed a dread lich
301091 | Zig:9    | Noticed an ancient lich
301091 | Zig:9    | Noticed a dread lich
301091 | Zig:9    | Noticed an ancient lich
301091 | Zig:9    | Noticed an ancient lich
301091 | Zig:9    | Noticed an ancient lich
301092 | Zig:9    | Noticed an ancient lich
301092 | Zig:9    | Noticed a dread lich
301092 | Zig:9    | Noticed an ancient lich
301093 | Zig:9    | Killed an ancient lich
301093 | Zig:9    | Killed an ancient lich
301093 | Zig:9    | Killed an ancient lich
301093 | Zig:9    | Killed an ancient lich
301094 | Zig:9    | Noticed a dread lich
301094 | Zig:9    | Noticed a dread lich
301094 | Zig:9    | Noticed an ancient lich
301094 | Zig:9    | Noticed an ancient lich
301094 | Zig:9    | Killed a dread lich
301094 | Zig:9    | Noticed a dread lich
301095 | Zig:9    | Killed an ancient lich
301095 | Zig:9    | Killed an ancient lich
301095 | Zig:9    | Killed a dread lich
301095 | Zig:9    | Killed an ancient lich
301095 | Zig:9    | Killed a dread lich
301095 | Zig:9    | Killed an ancient lich
301095 | Zig:9    | Killed an ancient lich
301095 | Zig:9    | Killed a dread lich
301096 | Zig:9    | Killed a dread lich
301096 | Zig:9    | Killed an ancient lich
301096 | Zig:9    | Killed an ancient lich
301096 | Zig:9    | Killed a dread lich
301096 | Zig:9    | Noticed a dread lich
301097 | Zig:9    | Noticed a dread lich
301097 | Zig:9    | Noticed an ancient lich
301097 | Zig:9    | Killed an ancient lich
301097 | Zig:9    | Noticed an ancient lich
301097 | Zig:9    | Noticed a dread lich
301098 | Zig:9    | Killed a dread lich
301099 | Zig:9    | Noticed a dread lich
301099 | Zig:9    | Killed a dread lich
301100 | Zig:9    | Noticed an ancient lich
301100 | Zig:9    | Noticed a dread lich
301100 | Zig:9    | Noticed an ancient lich
301101 | Zig:9    | Noticed a dread lich
301102 | Zig:9    | Killed a dread lich
301102 | Zig:9    | Killed an ancient lich
301102 | Zig:9    | Killed a dread lich
301102 | Zig:9    | Killed a dread lich
301102 | Zig:9    | Killed a dread lich
301102 | Zig:9    | Killed an ancient lich
301103 | Zig:9    | Killed an ancient lich
301103 | Zig:9    | Killed an ancient lich
301504 | Zig:10   | Entered Level 10 of a ziggurat
301554 | Zig:10   | Identified the ring "Wyathiz" {MP+9 Dex+2}
301869 | Zig:10   | Identified the ring of Greed {Int+6 Dex+4 Slay+3}
301890 | Zig:10   | Identified the +0 pair of boots "Ifeumpen" {rElec rN+ Str+3
                  | Dex-5}
301896 | Zig:10   | Identified the ring "Tioba" {rF++ Int+6}
301933 | Zig:11   | Entered Level 11 of a ziggurat
302006 | Zig:11   | Identified the +2 mace of the Blessed Realm {flame, +Blink
                  | rPois Dex-5}
302008 | Zig:11   | Identified the ring "Uguimil" {MP+9 Dex+4}
302010 | Zig:11   | Identified the ring "Xoruker" {Fire Str+6}
302017 | Zig:11   | Identified the +0 pair of boots "Myshiwn" {Fly rElec Str+6
                  | Stlth-}
302018 | Zig:11   | Identified the +1 quarterstaff of Reason {venom, ^Drain
                  | Will+ Int+5}
302026 | Zig:11   | Identified the +3 long sword "Mufe" {drain, Str+4}
302034 | Zig:11   | Identified the staff of Luxury {Fly rN+ Necro}
302484 | Zig:12   | Entered Level 12 of a ziggurat
302502 | Zig:12   | Paralysed by an air elemental for 1 turns
302842 | Zig:12   | Identified the amulet of Werhas {Faith Will+ Str+3 Dex-3}
302865 | Zig:12   | Identified the +5 ring mail of Kikubaaqudgha's Esteem
                  | {Rampage Str+8 SInv Stlth-}
302877 | Zig:12   | Identified the +9 quarterstaff of the Muttering Jester
                  | {drain, rElec rPois SInv}
302878 | Zig:12   | Identified the ring of the Genius {*Corrode rF++ rC+ Slay+3
                  | SInv}
302887 | Zig:12   | Identified the ring of Naezoxtyema {*Slow rN++ Will+ Dex+2
                  | Slay-5}
302942 | Zig:13   | Entered Level 13 of a ziggurat
302942 | Zig:13   | Noticed a juggernaut
302942 | Zig:13   | Noticed a juggernaut
302942 | Zig:13   | Noticed a juggernaut
302942 | Zig:13   | Noticed a juggernaut
302942 | Zig:13   | Noticed a juggernaut
302942 | Zig:13   | Noticed a juggernaut
302942 | Zig:13   | Noticed a juggernaut
302943 | Zig:13   | Killed a juggernaut
302944 | Zig:13   | Killed a juggernaut
302944 | Zig:13   | Killed a juggernaut
302944 | Zig:13   | Killed a juggernaut
302944 | Zig:13   | Killed a juggernaut
302944 | Zig:13   | Noticed a juggernaut
302945 | Zig:13   | Noticed a juggernaut
302945 | Zig:13   | Killed a juggernaut
302946 | Zig:13   | Killed a juggernaut
302947 | Zig:13   | Noticed a juggernaut
302948 | Zig:13   | Killed a juggernaut
302948 | Zig:13   | Killed a juggernaut
302948 | Zig:13   | Noticed a juggernaut
302948 | Zig:13   | Noticed a juggernaut
302949 | Zig:13   | Noticed a juggernaut
302949 | Zig:13   | Noticed a juggernaut
302950 | Zig:13   | Killed a juggernaut
302950 | Zig:13   | Killed a juggernaut
302950 | Zig:13   | Noticed a juggernaut
302950 | Zig:13   | Noticed a juggernaut
302951 | Zig:13   | Noticed a juggernaut
302951 | Zig:13   | Noticed a juggernaut
302951 | Zig:13   | Noticed a juggernaut
302951 | Zig:13   | Noticed a juggernaut
302952 | Zig:13   | Killed a juggernaut
302952 | Zig:13   | Killed a juggernaut
302952 | Zig:13   | Killed a juggernaut
302952 | Zig:13   | Noticed a juggernaut
302952 | Zig:13   | Noticed a juggernaut
302953 | Zig:13   | Noticed a juggernaut
302953 | Zig:13   | Noticed a juggernaut
302954 | Zig:13   | Noticed a juggernaut
302954 | Zig:13   | Killed a juggernaut
302954 | Zig:13   | Killed a juggernaut
302954 | Zig:13   | Killed a juggernaut
302954 | Zig:13   | Killed a juggernaut
302954 | Zig:13   | Noticed a juggernaut
302955 | Zig:13   | Killed a juggernaut
302956 | Zig:13   | Killed a juggernaut
302956 | Zig:13   | Killed a juggernaut
302956 | Zig:13   | Killed a juggernaut
302956 | Zig:13   | Killed a juggernaut
302958 | Zig:13   | Killed a juggernaut
302958 | Zig:13   | Killed a juggernaut
302958 | Zig:13   | Killed a juggernaut
302958 | Zig:13   | Noticed a juggernaut
302961 | Zig:13   | Noticed a juggernaut
302962 | Zig:13   | Killed a juggernaut
302966 | Zig:13   | Killed a juggernaut
303034 | Zig:13   | Identified the +5 trident "Eqixi" {elec, rC++ Will+}
303066 | Zig:13   | Identified the +1 war axe of Lozo {drain, rN++ Int+3 Dex-2}
303452 | Zig:14   | Entered Level 14 of a ziggurat
303475 | Zig:14   | Noticed Tent the pandemonium lord
303482 | Zig:14   | Killed Tent the pandemonium lord
303539 | Zig:14   | Identified the +1 eudemon blade "Raezasm" {holy, rElec
                  | Int+9 Dex-5 Stlth-}
303919 | Zig:14   | Identified the +10 spear "Ogrebane" {freeze, rElec rCorr
                  | Int+3 Stlth+}
303936 | Zig:14   | Identified the amulet "Xoijin" {Faith Dex+4}
303940 | Zig:14   | Identified the +1 scale mail of Iskyutyc {Str-3 Dex+3
                  | Stlth+}
303943 | Zig:14   | Identified the staff of Gravity {rElec rC+ Will- Dex+3
                  | Earth}
303988 | Zig:14   | Identified the ring "Arunkubo" {rC+ EV+5}
303992 | Zig:14   | Identified the +7 whip "Grim Tooth" {antimagic, rElec rPois
                  | Will+++ Dex-5}
303995 | Zig:14   | Identified the +1 scale mail of the Valley of Death {MP+9
                  | Int+3}
304051 | Zig:15   | Entered Level 15 of a ziggurat
304051 | Zig:15   | Noticed Engaaklu the pandemonium lord
304051 | Zig:15   | Noticed Caudeplo the pandemonium lord
304051 | Zig:15   | Noticed Vumiewk the pandemonium lord
304051 | Zig:15   | Noticed Rifonask the pandemonium lord
304051 | Zig:15   | Noticed Maofen the pandemonium lord
304051 | Zig:15   | Noticed Ubyga the pandemonium lord
304051 | Zig:15   | Noticed Lopluhemm the pandemonium lord
304051 | Zig:15   | Noticed Ipryo the pandemonium lord
304051 | Zig:15   | Noticed Pulahezu the pandemonium lord
304051 | Zig:15   | Noticed Neehargh the pandemonium lord
304051 | Zig:15   | Noticed Iqitaxoc the pandemonium lord
304051 | Zig:15   | Noticed Deheuhoe the pandemonium lord
304051 | Zig:15   | Noticed Uwiguorch the pandemonium lord
304051 | Zig:15   | Noticed Teaghiux the pandemonium lord
304051 | Zig:15   | Noticed Xuonamik the pandemonium lord
304051 | Zig:15   | Noticed Xuepsou the pandemonium lord
304051 | Zig:15   | Noticed Fuar the pandemonium lord
304051 | Zig:15   | Noticed Kuatt the pandemonium lord
304051 | Zig:15   | Noticed Kuntupsee the pandemonium lord
304051 | Zig:15   | Noticed Bisuf the pandemonium lord
304051 | Zig:15   | Noticed Uhuirioc the pandemonium lord
304051 | Zig:15   | Noticed Omozedojeps the pandemonium lord
304051 | Zig:15   | Noticed Wiaduts the pandemonium lord
304051 | Zig:15   | Noticed Rafarel the pandemonium lord
304051 | Zig:15   | Noticed Mimemi the pandemonium lord
304051 | Zig:15   | Noticed Xava the pandemonium lord
304051 | Zig:15   | Noticed Suass the pandemonium lord
304051 | Zig:15   | Noticed Poaclan the pandemonium lord
304051 | Zig:15   | Noticed Fiopte the pandemonium lord
304051 | Zig:15   | Noticed Bucu the pandemonium lord
304051 | Zig:15   | Noticed Nunumen the pandemonium lord
304051 | Zig:15   | Noticed Dicewotrou the pandemonium lord
304051 | Zig:15   | Noticed Ynwush the pandemonium lord
304051 | Zig:15   | Noticed Bagaiz the pandemonium lord
304051 | Zig:15   | Noticed Gaduo the pandemonium lord
304051 | Zig:15   | Noticed Toiffacu the pandemonium lord
304051 | Zig:15   | Noticed Ymifua the pandemonium lord
304051 | Zig:15   | Noticed Cofi the pandemonium lord
304051 | Zig:15   | Noticed Loviu the pandemonium lord
304051 | Zig:15   | Noticed Icupset the pandemonium lord
304051 | Zig:15   | Noticed Coewiudd the pandemonium lord
304051 | Zig:15   | Noticed Leohuodeic the pandemonium lord
304051 | Zig:15   | Noticed Lifyepluo the pandemonium lord
304052 | Zig:15   | Killed Nunumen the pandemonium lord
304054 | Zig:15   | Noticed Agidub the pandemonium lord
304054 | Zig:15   | Noticed Wewkuv the pandemonium lord
304054 | Zig:15   | Killed Gaduo the pandemonium lord
304054 | Zig:15   | Killed Bucu the pandemonium lord
304054 | Zig:15   | Killed Omozedojeps the pandemonium lord
304054 | Zig:15   | Killed Kuntupsee the pandemonium lord
304054 | Zig:15   | Killed Teaghiux the pandemonium lord
304054 | Zig:15   | Killed Ynwush the pandemonium lord
304054 | Zig:15   | Killed Fuar the pandemonium lord
304054 | Zig:15   | Killed Lopluhemm the pandemonium lord
304054 | Zig:15   | Killed Neehargh the pandemonium lord
304054 | Zig:15   | Killed Cofi the pandemonium lord
304054 | Zig:15   | Killed Bagaiz the pandemonium lord
304054 | Zig:15   | Killed Icupset the pandemonium lord
304054 | Zig:15   | Noticed Pyti the pandemonium lord
304055 | Zig:15   | Noticed Tool the pandemonium lord
304055 | Zig:15   | Killed Xuepsou the pandemonium lord
304055 | Zig:15   | Killed Loviu the pandemonium lord
304055 | Zig:15   | Killed Poaclan the pandemonium lord
304055 | Zig:15   | Killed Suass the pandemonium lord
304055 | Zig:15   | Killed Fiopte the pandemonium lord
304055 | Zig:15   | Killed Wiaduts the pandemonium lord
304055 | Zig:15   | Killed Uwiguorch the pandemonium lord
304055 | Zig:15   | Killed Leohuodeic the pandemonium lord
304055 | Zig:15   | Killed Ymifua the pandemonium lord
304055 | Zig:15   | Killed Ipryo the pandemonium lord
304055 | Zig:15   | Killed Iqitaxoc the pandemonium lord
304055 | Zig:15   | Killed Bisuf the pandemonium lord
304055 | Zig:15   | Killed Deheuhoe the pandemonium lord
304055 | Zig:15   | Killed Mimemi the pandemonium lord
304055 | Zig:15   | Noticed Qutij the pandemonium lord
304055 | Zig:15   | Killed Coewiudd the pandemonium lord
304056 | Zig:15   | Killed Rafarel the pandemonium lord
304056 | Zig:15   | Killed Toiffacu the pandemonium lord
304056 | Zig:15   | Killed Uhuirioc the pandemonium lord
304056 | Zig:15   | Killed Lifyepluo the pandemonium lord
304056 | Zig:15   | Noticed Ujeug Hiy the pandemonium lord
304056 | Zig:15   | Noticed Disuetra the pandemonium lord
304056 | Zig:15   | Noticed Suogoubb the pandemonium lord
304057 | Zig:15   | Killed Ubyga the pandemonium lord
304057 | Zig:15   | Killed Kuatt the pandemonium lord
304057 | Zig:15   | Killed Tool the pandemonium lord
304057 | Zig:15   | Noticed Efech the pandemonium lord
304057 | Zig:15   | Noticed Oqa Habb the pandemonium lord
304057 | Zig:15   | Noticed Othid the pandemonium lord
304058 | Zig:15   | Noticed Eseq the pandemonium lord
304058 | Zig:15   | Killed Xava the pandemonium lord
304058 | Zig:15   | Killed Pulahezu the pandemonium lord
304058 | Zig:15   | Killed Disuetra the pandemonium lord
304058 | Zig:15   | Killed Xuonamik the pandemonium lord
304058 | Zig:15   | Killed Wewkuv the pandemonium lord
304058 | Zig:15   | Killed Suogoubb the pandemonium lord
304058 | Zig:15   | Killed Rifonask the pandemonium lord
304058 | Zig:15   | Killed Engaaklu the pandemonium lord
304058 | Zig:15   | Noticed Tify the pandemonium lord
304059 | Zig:15   | Killed Agidub the pandemonium lord
304059 | Zig:15   | Killed Caudeplo the pandemonium lord
304059 | Zig:15   | Noticed Coveuw the pandemonium lord
304059 | Zig:15   | Killed Othid the pandemonium lord
304059 | Zig:15   | Noticed Zyem the pandemonium lord
304060 | Zig:15   | Noticed Dosi the pandemonium lord
304060 | Zig:15   | Noticed Emeom the pandemonium lord
304060 | Zig:15   | Killed Oqa Habb the pandemonium lord
304060 | Zig:15   | Noticed Ytsuac the pandemonium lord
304061 | Zig:15   | Noticed Lomueb the pandemonium lord
304061 | Zig:15   | Killed Efech the pandemonium lord
304061 | Zig:15   | Noticed Icheac the pandemonium lord
304062 | Zig:15   | Noticed Votirol the pandemonium lord
304063 | Zig:15   | Noticed Loh Ill the pandemonium lord
304064 | Zig:15   | Noticed Plog the pandemonium lord
304064 | Zig:15   | Killed Dicewotrou the pandemonium lord
304064 | Zig:15   | Killed Eseq the pandemonium lord
304064 | Zig:15   | Killed Dosi the pandemonium lord
304064 | Zig:15   | Noticed Ditriad the pandemonium lord
304064 | Zig:15   | Killed Pyti the pandemonium lord
304065 | Zig:15   | Killed Coveuw the pandemonium lord
304066 | Zig:15   | Noticed Qoenug the pandemonium lord
304066 | Zig:15   | Killed Vumiewk the pandemonium lord
304066 | Zig:15   | Killed Tify the pandemonium lord
304066 | Zig:15   | Killed Qutij the pandemonium lord
304066 | Zig:15   | Killed Icheac the pandemonium lord
304066 | Zig:15   | Noticed Vokilupt the pandemonium lord
304066 | Zig:15   | Noticed Vatinun the pandemonium lord
304066 | Zig:15   | Noticed Vapran the pandemonium lord
304067 | Zig:15   | Killed Emeom the pandemonium lord
304067 | Zig:15   | Killed Ytsuac the pandemonium lord
304067 | Zig:15   | Killed Plog the pandemonium lord
304067 | Zig:15   | Noticed Jedec the pandemonium lord
304067 | Zig:15   | Noticed Uneta the pandemonium lord
304068 | Zig:15   | Killed Zyem the pandemonium lord
304068 | Zig:15   | Killed Ujeug Hiy the pandemonium lord
304068 | Zig:15   | Noticed Ropruje the pandemonium lord
304068 | Zig:15   | Killed Ditriad the pandemonium lord
304068 | Zig:15   | Noticed Utygaihu the pandemonium lord
304068 | Zig:15   | Noticed Hukliuj the pandemonium lord
304069 | Zig:15   | Noticed Ofoamok the pandemonium lord
304070 | Zig:15   | Killed Maofen the pandemonium lord
304070 | Zig:15   | Killed Lomueb the pandemonium lord
304070 | Zig:15   | Noticed Zurum the pandemonium lord
304070 | Zig:15   | Killed Qoenug the pandemonium lord
304071 | Zig:15   | Killed Loh Ill the pandemonium lord
304071 | Zig:15   | Killed Vokilupt the pandemonium lord
304071 | Zig:15   | Killed Vapran the pandemonium lord
304071 | Zig:15   | Killed Ofoamok the pandemonium lord
304071 | Zig:15   | Killed Ropruje the pandemonium lord
304071 | Zig:15   | Noticed Woriwesi the pandemonium lord
304071 | Zig:15   | Killed Utygaihu the pandemonium lord
304071 | Zig:15   | Killed Vatinun the pandemonium lord
304072 | Zig:15   | Killed Jedec the pandemonium lord
304072 | Zig:15   | Noticed Neutzoso the pandemonium lord
304073 | Zig:15   | Killed Votirol the pandemonium lord
304074 | Zig:15   | Noticed Nepnen the pandemonium lord
304074 | Zig:15   | Noticed Muluceo the pandemonium lord
304075 | Zig:15   | Noticed Suoxy the pandemonium lord
304075 | Zig:15   | Killed Uneta the pandemonium lord
304075 | Zig:15   | Killed Neutzoso the pandemonium lord
304075 | Zig:15   | Noticed Tixzon the pandemonium lord
304076 | Zig:15   | Killed Zurum the pandemonium lord
304076 | Zig:15   | Killed Muluceo the pandemonium lord
304077 | Zig:15   | Killed Hukliuj the pandemonium lord
304077 | Zig:15   | Killed Woriwesi the pandemonium lord
304077 | Zig:15   | Noticed Zuelidy the pandemonium lord
304078 | Zig:15   | Killed Tixzon the pandemonium lord
304078 | Zig:15   | Killed Suoxy the pandemonium lord
304078 | Zig:15   | Noticed Wazxia the pandemonium lord
304078 | Zig:15   | Noticed Hoxestriu the pandemonium lord
304079 | Zig:15   | Killed Entunt Jala the pandemonium lord
304079 | Zig:15   | Killed Ihit the pandemonium lord
304079 | Zig:15   | Noticed Pasuag the pandemonium lord
304080 | Zig:15   | Noticed Iboged the pandemonium lord
304080 | Zig:15   | Killed Wazxia the pandemonium lord
304080 | Zig:15   | Noticed Hose the pandemonium lord
304080 | Zig:15   | Killed Zadghunyu the pandemonium lord
304081 | Zig:15   | Noticed Emasuer the pandemonium lord
304081 | Zig:15   | Noticed Goabbemm the pandemonium lord
304081 | Zig:15   | Noticed Niar Eki the pandemonium lord
304081 | Zig:15   | Noticed Ismigag the pandemonium lord
304081 | Zig:15   | Noticed Wineel the pandemonium lord
304081 | Zig:15   | Killed Zuelidy the pandemonium lord
304081 | Zig:15   | Noticed Niarinen the pandemonium lord
304082 | Zig:15   | Noticed Wiwicu the pandemonium lord
304082 | Zig:15   | Noticed Woem the pandemonium lord
304083 | Zig:15   | Noticed Zuukeo the pandemonium lord
304083 | Zig:15   | Killed Nepnen the pandemonium lord
304083 | Zig:15   | Noticed Teuhug the pandemonium lord
304084 | Zig:15   | Killed Hoxestriu the pandemonium lord
304084 | Zig:15   | Killed Iboged the pandemonium lord
304084 | Zig:15   | Killed Ismigag the pandemonium lord
304084 | Zig:15   | Killed Emasuer the pandemonium lord
304084 | Zig:15   | Killed Niar Eki the pandemonium lord
304084 | Zig:15   | Noticed Inal the pandemonium lord
304084 | Zig:15   | Noticed Xosim the pandemonium lord
304085 | Zig:15   | Killed Goabbemm the pandemonium lord
304085 | Zig:15   | Noticed Nitek the pandemonium lord
304085 | Zig:15   | Noticed Ushrej the pandemonium lord
304085 | Zig:15   | Noticed Ongic Beu the pandemonium lord
304086 | Zig:15   | Killed Pasuag the pandemonium lord
304086 | Zig:15   | Killed Nitek the pandemonium lord
304087 | Zig:15   | Killed Hose the pandemonium lord
304087 | Zig:15   | Killed Wiwicu the pandemonium lord
304087 | Zig:15   | Killed Niarinen the pandemonium lord
304087 | Zig:15   | Killed Xosim the pandemonium lord
304087 | Zig:15   | Noticed Ywedut the pandemonium lord
304087 | Zig:15   | Killed Zuukeo the pandemonium lord
304087 | Zig:15   | Killed Fuxaj the pandemonium lord
304087 | Zig:15   | Noticed Bucheeq the pandemonium lord
304088 | Zig:15   | Killed Woem the pandemonium lord
304088 | Zig:15   | Killed Teuhug the pandemonium lord
304088 | Zig:15   | Killed Ongic Beu the pandemonium lord
304088 | Zig:15   | Killed Ushrej the pandemonium lord
304088 | Zig:15   | Noticed Zyasiem the pandemonium lord
304088 | Zig:15   | Noticed Vucweid the pandemonium lord
304089 | Zig:15   | Killed Nequnitzi the pandemonium lord
304089 | Zig:15   | Killed Inal the pandemonium lord
304089 | Zig:15   | Killed Bucheeq the pandemonium lord
304089 | Zig:15   | Noticed Adwerghem the pandemonium lord
304090 | Zig:15   | Killed Adwerghem the pandemonium lord
304090 | Zig:15   | Killed Ywedut the pandemonium lord
304090 | Zig:15   | Killed Werui the pandemonium lord
304090 | Zig:15   | Noticed Veinwut the pandemonium lord
304090 | Zig:15   | Noticed Qohaynin the pandemonium lord
304091 | Zig:15   | Killed Vucweid the pandemonium lord
304091 | Zig:15   | Noticed Kateoch the pandemonium lord
304092 | Zig:15   | Noticed Egesagobb the pandemonium lord
304093 | Zig:15   | Noticed Taipsen the pandemonium lord
304093 | Zig:15   | Killed Qohaynin the pandemonium lord
304093 | Zig:15   | Killed Zyasiem the pandemonium lord
304093 | Zig:15   | Noticed Bitiaboegu the pandemonium lord
304094 | Zig:15   | Killed Itefaggo the pandemonium lord
304094 | Zig:15   | Noticed Toats the pandemonium lord
304095 | Zig:15   | Killed Veinwut the pandemonium lord
304095 | Zig:15   | Killed Egesagobb the pandemonium lord
304095 | Zig:15   | Killed Kateoch the pandemonium lord
304095 | Zig:15   | Killed Toats the pandemonium lord
304096 | Zig:15   | Noticed Yvit the pandemonium lord
304096 | Zig:15   | Noticed Soregib the pandemonium lord
304096 | Zig:15   | Noticed Yfus the pandemonium lord
304096 | Zig:15   | Noticed Viokiur the pandemonium lord
304096 | Zig:15   | Noticed Susetz the pandemonium lord
304096 | Zig:15   | Noticed Iczoina the pandemonium lord
304097 | Zig:15   | Noticed Cyhaahog the pandemonium lord
304097 | Zig:15   | Noticed Usch the pandemonium lord
304097 | Zig:15   | Noticed Ziestabu the pandemonium lord
304097 | Zig:15   | Noticed Gocluisch the pandemonium lord
304097 | Zig:15   | Killed Wineel the pandemonium lord
304098 | Zig:15   | Killed Bitiaboegu the pandemonium lord
304098 | Zig:15   | Noticed Zaal the pandemonium lord
304098 | Zig:15   | Noticed Gimioloth the pandemonium lord
304099 | Zig:15   | Killed Yfus the pandemonium lord
304099 | Zig:15   | Killed Soregib the pandemonium lord
304099 | Zig:15   | Killed Cyhaahog the pandemonium lord
304099 | Zig:15   | Killed Viokiur the pandemonium lord
304099 | Zig:15   | Killed Taipsen the pandemonium lord
304099 | Zig:15   | Killed Ziestabu the pandemonium lord
304099 | Zig:15   | Noticed Fegit Iboh the pandemonium lord
304099 | Zig:15   | Noticed Rizxodur the pandemonium lord
304100 | Zig:15   | Killed Zaal the pandemonium lord
304100 | Zig:15   | Killed Gimioloth the pandemonium lord
304100 | Zig:15   | Noticed Nabligg the pandemonium lord
304101 | Zig:15   | Noticed Fixad the pandemonium lord
304101 | Zig:15   | Noticed Liute the pandemonium lord
304102 | Zig:15   | Killed Rizxodur the pandemonium lord
304102 | Zig:15   | Killed Susetz the pandemonium lord
304102 | Zig:15   | Killed Yvit the pandemonium lord
304102 | Zig:15   | Killed Usch the pandemonium lord
304102 | Zig:15   | Killed Iczoina the pandemonium lord
304102 | Zig:15   | Noticed Ciheamai the pandemonium lord
304103 | Zig:15   | Killed Liute the pandemonium lord
304103 | Zig:15   | Noticed Itwuaj the pandemonium lord
304104 | Zig:15   | Killed Fegit Iboh the pandemonium lord
304104 | Zig:15   | Killed Gocluisch the pandemonium lord
304105 | Zig:15   | Killed Fixad the pandemonium lord
304105 | Zig:15   | Killed Ciheamai the pandemonium lord
304105 | Zig:15   | Noticed Koyn the pandemonium lord
304106 | Zig:15   | Noticed Uwuasa Zothro the pandemonium lord
304106 | Zig:15   | Killed Itwuaj the pandemonium lord
304111 | Zig:15   | Noticed Ziymivo the pandemonium lord
304115 | Zig:15   | Killed Ziymivo the pandemonium lord
304116 | Zig:15   | Noticed Nuheupha the pandemonium lord
304117 | Zig:15   | Killed Uwuasa Zothro the pandemonium lord
304118 | Zig:15   | Killed Koyn the pandemonium lord
304120 | Zig:15   | Noticed Qamnesoir the pandemonium lord
304120 | Zig:15   | Noticed Yfittipn the pandemonium lord
304121 | Zig:15   | Killed Nuheupha the pandemonium lord
304121 | Zig:15   | Killed Yfittipn the pandemonium lord
304121 | Zig:15   | Killed Nabligg the pandemonium lord
304121 | Zig:15   | Noticed Qyse the pandemonium lord
304122 | Zig:15   | Killed Qamnesoir the pandemonium lord
304131 | Zig:15   | Killed Qyse the pandemonium lord
304155 | Zig:15   | Identified the staff of the Tundras {rC+ rN+ Dex+4 Ice}
304156 | Zig:15   | Identified the staff of the Sun {Will- Int+9 Conj Earth}
304162 | Zig:15   | Identified the amulet "Ykij" {Acrobat rF+ rC+ rCorr Int+3}
304167 | Zig:15   | Identified the staff "Wighah" {rElec rPois rF+ Will- Dex+2
                  | Fire}
304168 | Zig:15   | Identified the +0 ring mail of Epsub {Str+2}
304178 | Zig:15   | Identified the staff "Poycvo" {rF+ Fire Alchemy}
304193 | Zig:15   | Identified the +3 scimitar of Noso {vamp, rPois Str+3}
304202 | Zig:15   | Identified the +1 robe of Piasis {+Inv Dex+2 Archmagi}
304540 | Zig:16   | Entered Level 16 of a ziggurat
304589 | Zig:16   | Identified the +10 sling of Petudwod {antimagic, rF-
                  | Will+++ Str+3 Int+2}
304609 | Zig:16   | Identified the +0 kite shield "Wueguts" {rC++ Will+++}
305010 | Zig:16   | Identified the +7 rapier of Dorchihut {venom, Will+ MP+9
                  | Str-4 Dex+3}
305012 | Zig:16   | Identified the +6 arbalest "Ifatam" {elec, Dex+3}
305026 | Zig:16   | Identified the +4 trident of Valour {pain, rElec rC- Will-
                  | Str+7}
305041 | Zig:16   | Identified the ring of Qikheag {Wiz Fly rC+ Str-2}
305056 | Zig:16   | Identified the +3 trident of Pyfodwesch {elec, rElec Will+
                  | Int-3 Stlth+}
305151 | Zig:17   | Entered Level 17 of a ziggurat
305151 | Zig:17   | Noticed an orb of fire
305151 | Zig:17   | Noticed an orb of fire
305151 | Zig:17   | Noticed an orb of fire
305151 | Zig:17   | Noticed an orb of fire
305151 | Zig:17   | Noticed an orb of fire
305151 | Zig:17   | Noticed an orb of fire
305151 | Zig:17   | Noticed an orb of fire
305151 | Zig:17   | Noticed an orb of fire
305151 | Zig:17   | Noticed an orb of fire
305151 | Zig:17   | Noticed an orb of fire
305151 | Zig:17   | Noticed an orb of fire
305151 | Zig:17   | Noticed an orb of fire
305151 | Zig:17   | Noticed an orb of fire
305151 | Zig:17   | Noticed an orb of fire
305151 | Zig:17   | Noticed an orb of fire
305151 | Zig:17   | Noticed an orb of fire
305151 | Zig:17   | Noticed an orb of fire
305151 | Zig:17   | Noticed an orb of fire
305151 | Zig:17   | Noticed an orb of fire
305151 | Zig:17   | Noticed an orb of fire
305151 | Zig:17   | Noticed an orb of fire
305151 | Zig:17   | Noticed an orb of fire
305151 | Zig:17   | Noticed an orb of fire
305151 | Zig:17   | Noticed an orb of fire
305151 | Zig:17   | Noticed an orb of fire
305152 | Zig:17   | Noticed an orb of fire
305154 | Zig:17   | Noticed an orb of fire
305155 | Zig:17   | Killed an orb of fire
305155 | Zig:17   | Killed an orb of fire
305155 | Zig:17   | Killed an orb of fire
305155 | Zig:17   | Killed an orb of fire
305156 | Zig:17   | Killed an orb of fire
305156 | Zig:17   | Killed an orb of fire
305156 | Zig:17   | Killed an orb of fire
305156 | Zig:17   | Killed an orb of fire
305156 | Zig:17   | Killed an orb of fire
305156 | Zig:17   | Killed an orb of fire
305156 | Zig:17   | Killed an orb of fire
305156 | Zig:17   | Killed an orb of fire
305156 | Zig:17   | Killed an orb of fire
305157 | Zig:17   | Killed an orb of fire
305157 | Zig:17   | Killed an orb of fire
305157 | Zig:17   | Killed an orb of fire
305157 | Zig:17   | Killed an orb of fire
305157 | Zig:17   | Killed an orb of fire
305157 | Zig:17   | Killed an orb of fire
305157 | Zig:17   | Killed an orb of fire
305157 | Zig:17   | Noticed an orb of fire
305157 | Zig:17   | Killed an orb of fire
305157 | Zig:17   | Noticed an orb of fire
305158 | Zig:17   | Killed an orb of fire
305158 | Zig:17   | Noticed an orb of fire
305159 | Zig:17   | Noticed an orb of fire
305159 | Zig:17   | Noticed an orb of fire
305159 | Zig:17   | Noticed an orb of fire
305159 | Zig:17   | Noticed an orb of fire
305159 | Zig:17   | Noticed an orb of fire
305159 | Zig:17   | Noticed an orb of fire
305159 | Zig:17   | Killed an orb of fire
305159 | Zig:17   | Noticed an orb of fire
305160 | Zig:17   | Killed an orb of fire
305160 | Zig:17   | Killed an orb of fire
305160 | Zig:17   | Killed an orb of fire
305160 | Zig:17   | Noticed an orb of fire
305161 | Zig:17   | Noticed an orb of fire
305161 | Zig:17   | Killed an orb of fire
305161 | Zig:17   | Killed an orb of fire
305161 | Zig:17   | Killed an orb of fire
305162 | Zig:17   | Noticed an orb of fire
305162 | Zig:17   | Noticed an orb of fire
305162 | Zig:17   | Noticed an orb of fire
305162 | Zig:17   | Noticed an orb of fire
305162 | Zig:17   | Noticed an orb of fire
305162 | Zig:17   | Noticed an orb of fire
305162 | Zig:17   | Noticed an orb of fire
305162 | Zig:17   | Noticed an orb of fire
305162 | Zig:17   | Noticed an orb of fire
305163 | Zig:17   | Killed an orb of fire
305163 | Zig:17   | Killed an orb of fire
305163 | Zig:17   | Killed an orb of fire
305163 | Zig:17   | Noticed an orb of fire
305164 | Zig:17   | Noticed an orb of fire
305164 | Zig:17   | Killed an orb of fire
305164 | Zig:17   | Noticed an orb of fire
305164 | Zig:17   | Noticed an orb of fire
305165 | Zig:17   | Killed an orb of fire
305165 | Zig:17   | Killed an orb of fire
305165 | Zig:17   | Killed an orb of fire
305165 | Zig:17   | Killed an orb of fire
305165 | Zig:17   | Killed an orb of fire
305165 | Zig:17   | Killed an orb of fire
305166 | Zig:17   | Killed an orb of fire
305166 | Zig:17   | Killed an orb of fire
305166 | Zig:17   | Killed an orb of fire
305166 | Zig:17   | Noticed an orb of fire
305167 | Zig:17   | Killed an orb of fire
305167 | Zig:17   | Killed an orb of fire
305167 | Zig:17   | Killed an orb of fire
305167 | Zig:17   | Killed an orb of fire
305167 | Zig:17   | Killed an orb of fire
305167 | Zig:17   | Noticed an orb of fire
305167 | Zig:17   | Noticed an orb of fire
305168 | Zig:17   | Noticed an orb of fire
305168 | Zig:17   | Noticed an orb of fire
305168 | Zig:17   | Noticed an orb of fire
305168 | Zig:17   | Noticed an orb of fire
305168 | Zig:17   | Noticed an orb of fire
305168 | Zig:17   | Noticed an orb of fire
305168 | Zig:17   | Noticed an orb of fire
305168 | Zig:17   | Noticed an orb of fire
305169 | Zig:17   | Noticed an orb of fire
305170 | Zig:17   | Noticed an orb of fire
305170 | Zig:17   | Noticed an orb of fire
305170 | Zig:17   | Noticed an orb of fire
305170 | Zig:17   | Killed an orb of fire
305170 | Zig:17   | Killed an orb of fire
305170 | Zig:17   | Noticed an orb of fire
305170 | Zig:17   | Noticed an orb of fire
305171 | Zig:17   | Killed an orb of fire
305171 | Zig:17   | Killed an orb of fire
305171 | Zig:17   | Killed an orb of fire
305171 | Zig:17   | Noticed an orb of fire
305171 | Zig:17   | Noticed an orb of fire
305172 | Zig:17   | Killed an orb of fire
305172 | Zig:17   | Killed an orb of fire
305172 | Zig:17   | Killed an orb of fire
305172 | Zig:17   | Killed an orb of fire
305172 | Zig:17   | Noticed an orb of fire
305172 | Zig:17   | Noticed an orb of fire
305172 | Zig:17   | Noticed an orb of fire
305172 | Zig:17   | Noticed an orb of fire
305173 | Zig:17   | Killed an orb of fire
305173 | Zig:17   | Killed an orb of fire
305173 | Zig:17   | Killed an orb of fire
305173 | Zig:17   | Killed an orb of fire
305173 | Zig:17   | Killed an orb of fire
305173 | Zig:17   | Killed an orb of fire
305173 | Zig:17   | Noticed an orb of fire
305174 | Zig:17   | Killed an orb of fire
305174 | Zig:17   | Killed an orb of fire
305174 | Zig:17   | Noticed an orb of fire
305175 | Zig:17   | Noticed an orb of fire
305175 | Zig:17   | Killed an orb of fire
305175 | Zig:17   | Killed an orb of fire
305175 | Zig:17   | Killed an orb of fire
305175 | Zig:17   | Noticed an orb of fire
305177 | Zig:17   | Noticed an orb of fire
305177 | Zig:17   | Noticed an orb of fire
305177 | Zig:17   | Noticed an orb of fire
305177 | Zig:17   | Noticed an orb of fire
305178 | Zig:17   | Noticed an orb of fire
305178 | Zig:17   | Killed an orb of fire
305178 | Zig:17   | Killed an orb of fire
305178 | Zig:17   | Killed an orb of fire
305178 | Zig:17   | Killed an orb of fire
305178 | Zig:17   | Killed an orb of fire
305178 | Zig:17   | Killed an orb of fire
305179 | Zig:17   | Killed an orb of fire
305179 | Zig:17   | Noticed an orb of fire
305179 | Zig:17   | Noticed an orb of fire
305180 | Zig:17   | Killed an orb of fire
305180 | Zig:17   | Killed an orb of fire
305180 | Zig:17   | Killed an orb of fire
305180 | Zig:17   | Killed an orb of fire
305181 | Zig:17   | Killed an orb of fire
305181 | Zig:17   | Killed an orb of fire
305181 | Zig:17   | Noticed an orb of fire
305182 | Zig:17   | Killed an orb of fire
305182 | Zig:17   | Noticed an orb of fire
305182 | Zig:17   | Noticed an orb of fire
305182 | Zig:17   | Noticed an orb of fire
305183 | Zig:17   | Killed an orb of fire
305184 | Zig:17   | Noticed an orb of fire
305184 | Zig:17   | Noticed an orb of fire
305184 | Zig:17   | Noticed an orb of fire
305184 | Zig:17   | Noticed an orb of fire
305184 | Zig:17   | Noticed an orb of fire
305184 | Zig:17   | Noticed an orb of fire
305185 | Zig:17   | Killed an orb of fire
305185 | Zig:17   | Killed an orb of fire
305185 | Zig:17   | Killed an orb of fire
305186 | Zig:17   | Noticed an orb of fire
305186 | Zig:17   | Killed an orb of fire
305186 | Zig:17   | Noticed an orb of fire
305186 | Zig:17   | Noticed an orb of fire
305188 | Zig:17   | Noticed an orb of fire
305188 | Zig:17   | Noticed an orb of fire
305188 | Zig:17   | Noticed an orb of fire
305189 | Zig:17   | Noticed an orb of fire
305189 | Zig:17   | Killed an orb of fire
305189 | Zig:17   | Killed an orb of fire
305189 | Zig:17   | Killed an orb of fire
305189 | Zig:17   | Noticed an orb of fire
305190 | Zig:17   | Noticed an orb of fire
305190 | Zig:17   | Killed an orb of fire
305190 | Zig:17   | Killed an orb of fire
305190 | Zig:17   | Killed an orb of fire
305190 | Zig:17   | Killed an orb of fire
305190 | Zig:17   | Killed an orb of fire
305190 | Zig:17   | Killed an orb of fire
305191 | Zig:17   | Noticed an orb of fire
305192 | Zig:17   | Killed an orb of fire
305192 | Zig:17   | Killed an orb of fire
305192 | Zig:17   | Killed an orb of fire
305192 | Zig:17   | Killed an orb of fire
305193 | Zig:17   | Noticed an orb of fire
305193 | Zig:17   | Noticed an orb of fire
305193 | Zig:17   | Noticed an orb of fire
305194 | Zig:17   | Killed an orb of fire
305194 | Zig:17   | Killed an orb of fire
305194 | Zig:17   | Killed an orb of fire
305194 | Zig:17   | Killed an orb of fire
305195 | Zig:17   | Killed an orb of fire
305195 | Zig:17   | Killed an orb of fire
305195 | Zig:17   | Killed an orb of fire
305195 | Zig:17   | Noticed an orb of fire
305195 | Zig:17   | Killed an orb of fire
305196 | Zig:17   | Noticed an orb of fire
305196 | Zig:17   | Noticed an orb of fire
305197 | Zig:17   | Killed an orb of fire
305197 | Zig:17   | Killed an orb of fire
305200 | Zig:17   | Noticed an orb of fire
305200 | Zig:17   | Killed an orb of fire
305200 | Zig:17   | Killed an orb of fire
305202 | Zig:17   | Killed an orb of fire
305204 | Zig:17   | Killed an orb of fire
305258 | Zig:17   | Identified the +4 eveningstar "Viorext" {protect, ^Fragile
                  | rF+ Int-2 Dex+6}
305265 | Zig:17   | Identified the +11 sling of Wubletes {flame, Fly Will-
                  | Int+7 Stlth+}
305267 | Zig:17   | Identified the ring of Syhoit {rPois Will+ Int-3 Dex+9}
305272 | Zig:17   | Identified the ring of the Catfish {rF- rN++ Str+6 Dex+7}
305283 | Zig:17   | Identified the +7 morningstar "Xoroext" {heavy, +Blink rC-
                  | rN+}
305284 | Zig:17   | Identified the +0 robe "Juixte" {Int+4}
305789 | Zig:18   | Entered Level 18 of a ziggurat
305825 | Zig:18   | Noticed Qabah the pandemonium lord
305827 | Zig:18   | Killed Qabah the pandemonium lord
305889 | Zig:18   | Identified the +7 flail "Noxzaa" {flame, rElec}
305909 | Zig:18   | Identified the +5 great mace "Plog" {elec, +Blink rF+}
306421 | Zig:18   | Identified the +7 broad axe "Yhybbebo" {distort, rElec
                  | Int+5 Stlth+}
306422 | Zig:18   | Identified the staff of Anger {rF- rN++ rCorr Conj Earth}
306442 | Zig:19   | Entered Level 19 of a ziggurat
306442 | Zig:19   | Noticed a dread lich
306442 | Zig:19   | Noticed an ancient lich
306442 | Zig:19   | Noticed an ancient lich
306442 | Zig:19   | Noticed a dread lich
306442 | Zig:19   | Noticed a dread lich
306442 | Zig:19   | Noticed an ancient lich
306442 | Zig:19   | Noticed an ancient lich
306442 | Zig:19   | Noticed a dread lich
306442 | Zig:19   | Noticed a dread lich
306442 | Zig:19   | Noticed a dread lich
306442 | Zig:19   | Noticed an ancient lich
306442 | Zig:19   | Noticed an ancient lich
306442 | Zig:19   | Noticed a dread lich
306442 | Zig:19   | Noticed an ancient lich
306442 | Zig:19   | Noticed a dread lich
306442 | Zig:19   | Noticed a dread lich
306442 | Zig:19   | Noticed a dread lich
306442 | Zig:19   | Noticed a dread lich
306442 | Zig:19   | Noticed an ancient lich
306442 | Zig:19   | Noticed a dread lich
306442 | Zig:19   | Noticed a dread lich
306442 | Zig:19   | Noticed a dread lich
306442 | Zig:19   | Noticed a dread lich
306442 | Zig:19   | Noticed a dread lich
306442 | Zig:19   | Noticed a dread lich
306442 | Zig:19   | Noticed a dread lich
306442 | Zig:19   | Noticed an ancient lich
306442 | Zig:19   | Noticed a dread lich
306443 | Zig:19   | Killed a dread lich
306443 | Zig:19   | Killed a dread lich
306443 | Zig:19   | Killed a dread lich
306443 | Zig:19   | Killed an ancient lich
306443 | Zig:19   | Killed a dread lich
306443 | Zig:19   | Killed a dread lich
306443 | Zig:19   | Killed a dread lich
306443 | Zig:19   | Killed an ancient lich
306443 | Zig:19   | Killed a dread lich
306443 | Zig:19   | Killed a dread lich
306443 | Zig:19   | Killed a dread lich
306443 | Zig:19   | Killed a dread lich
306443 | Zig:19   | Killed an ancient lich
306443 | Zig:19   | Killed a dread lich
306443 | Zig:19   | Killed a dread lich
306443 | Zig:19   | Killed a dread lich
306444 | Zig:19   | Killed an ancient lich
306444 | Zig:19   | Killed a dread lich
306444 | Zig:19   | Killed a dread lich
306444 | Zig:19   | Killed an ancient lich
306444 | Zig:19   | Killed an ancient lich
306444 | Zig:19   | Killed a dread lich
306444 | Zig:19   | Killed an ancient lich
306444 | Zig:19   | Killed a dread lich
306444 | Zig:19   | Killed a dread lich
306444 | Zig:19   | Killed an ancient lich
306444 | Zig:19   | Killed an ancient lich
306444 | Zig:19   | Killed a dread lich
306444 | Zig:19   | Noticed an ancient lich
306444 | Zig:19   | Noticed an ancient lich
306444 | Zig:19   | Noticed a dread lich
306444 | Zig:19   | Noticed a dread lich
306445 | Zig:19   | Killed an ancient lich
306445 | Zig:19   | Noticed an ancient lich
306445 | Zig:19   | Noticed a dread lich
306445 | Zig:19   | Killed an ancient lich
306445 | Zig:19   | Killed a dread lich
306447 | Zig:19   | Noticed a dread lich
306447 | Zig:19   | Noticed a dread lich
306447 | Zig:19   | Noticed a dread lich
306447 | Zig:19   | Killed a dread lich
306448 | Zig:19   | Killed an ancient lich
306448 | Zig:19   | Killed a dread lich
306448 | Zig:19   | Killed a dread lich
306448 | Zig:19   | Killed a dread lich
306448 | Zig:19   | Noticed an ancient lich
306449 | Zig:19   | Noticed a dread lich
306449 | Zig:19   | Noticed an ancient lich
306450 | Zig:19   | Killed an ancient lich
306450 | Zig:19   | Killed an ancient lich
306450 | Zig:19   | Noticed a dread lich
306451 | Zig:19   | Noticed an ancient lich
306451 | Zig:19   | Noticed an ancient lich
306451 | Zig:19   | Killed a dread lich
306451 | Zig:19   | Noticed a dread lich
306451 | Zig:19   | Noticed an ancient lich
306452 | Zig:19   | Noticed a dread lich
306452 | Zig:19   | Killed a dread lich
306452 | Zig:19   | Killed an ancient lich
306452 | Zig:19   | Killed a dread lich
306452 | Zig:19   | Killed a dread lich
306452 | Zig:19   | Killed a dread lich
306452 | Zig:19   | Killed an ancient lich
306453 | Zig:19   | Noticed a dread lich
306453 | Zig:19   | Noticed an ancient lich
306453 | Zig:19   | Noticed an ancient lich
306454 | Zig:19   | Noticed a dread lich
306454 | Zig:19   | Killed an ancient lich
306454 | Zig:19   | Killed a dread lich
306454 | Zig:19   | Killed a dread lich
306454 | Zig:19   | Noticed an ancient lich
306454 | Zig:19   | Noticed a dread lich
306454 | Zig:19   | Noticed an ancient lich
306454 | Zig:19   | Noticed an ancient lich
306454 | Zig:19   | Noticed a dread lich
306454 | Zig:19   | Noticed an ancient lich
306455 | Zig:19   | Noticed an ancient lich
306455 | Zig:19   | Noticed an ancient lich
306455 | Zig:19   | Noticed a dread lich
306455 | Zig:19   | Noticed a dread lich
306456 | Zig:19   | Killed an ancient lich
306456 | Zig:19   | Killed an ancient lich
306456 | Zig:19   | Killed an ancient lich
306456 | Zig:19   | Killed an ancient lich
306456 | Zig:19   | Killed a dread lich
306456 | Zig:19   | Killed a dread lich
306456 | Zig:19   | Killed an ancient lich
306456 | Zig:19   | Noticed a dread lich
306456 | Zig:19   | Noticed an ancient lich
306456 | Zig:19   | Noticed a dread lich
306456 | Zig:19   | Noticed an ancient lich
306456 | Zig:19   | Noticed an ancient lich
306457 | Zig:19   | Noticed a dread lich
306457 | Zig:19   | Noticed a dread lich
306457 | Zig:19   | Noticed an ancient lich
306457 | Zig:19   | Noticed a dread lich
306457 | Zig:19   | Killed an ancient lich
306457 | Zig:19   | Noticed a dread lich
306458 | Zig:19   | Killed an ancient lich
306458 | Zig:19   | Killed an ancient lich
306458 | Zig:19   | Killed a dread lich
306458 | Zig:19   | Killed an ancient lich
306458 | Zig:19   | Killed an ancient lich
306458 | Zig:19   | Killed a dread lich
306459 | Zig:19   | Noticed a dread lich
306459 | Zig:19   | Noticed an ancient lich
306459 | Zig:19   | Noticed a dread lich
306459 | Zig:19   | Noticed an ancient lich
306459 | Zig:19   | Noticed a dread lich
306459 | Zig:19   | Noticed an ancient lich
306460 | Zig:19   | Noticed an ancient lich
306460 | Zig:19   | Noticed an ancient lich
306460 | Zig:19   | Noticed an ancient lich
306460 | Zig:19   | Killed a dread lich
306460 | Zig:19   | Killed an ancient lich
306460 | Zig:19   | Killed a dread lich
306460 | Zig:19   | Killed a dread lich
306460 | Zig:19   | Killed a dread lich
306460 | Zig:19   | Killed an ancient lich
306460 | Zig:19   | Killed an ancient lich
306460 | Zig:19   | Killed a dread lich
306460 | Zig:19   | Killed a dread lich
306460 | Zig:19   | Killed an ancient lich
306460 | Zig:19   | Killed an ancient lich
306460 | Zig:19   | Killed a dread lich
306460 | Zig:19   | Killed an ancient lich
306460 | Zig:19   | Killed a dread lich
306460 | Zig:19   | Noticed an ancient lich
306460 | Zig:19   | Noticed a dread lich
306460 | Zig:19   | Noticed a dread lich
306460 | Zig:19   | Noticed a dread lich
306460 | Zig:19   | Noticed an ancient lich
306460 | Zig:19   | Noticed a dread lich
306461 | Zig:19   | Killed an ancient lich
306461 | Zig:19   | Killed a dread lich
306461 | Zig:19   | Killed a dread lich
306461 | Zig:19   | Killed an ancient lich
306462 | Zig:19   | Noticed an ancient lich
306462 | Zig:19   | Noticed a dread lich
306462 | Zig:19   | Noticed a dread lich
306462 | Zig:19   | Noticed an ancient lich
306462 | Zig:19   | Noticed a dread lich
306462 | Zig:19   | Noticed an ancient lich
306462 | Zig:19   | Noticed an ancient lich
306462 | Zig:19   | Noticed an ancient lich
306463 | Zig:19   | Killed an ancient lich
306463 | Zig:19   | Killed a dread lich
306463 | Zig:19   | Killed an ancient lich
306463 | Zig:19   | Killed a dread lich
306463 | Zig:19   | Killed an ancient lich
306464 | Zig:19   | Killed a dread lich
306464 | Zig:19   | Killed a dread lich
306464 | Zig:19   | Killed an ancient lich
306464 | Zig:19   | Killed an ancient lich
306464 | Zig:19   | Killed an ancient lich
306464 | Zig:19   | Killed a dread lich
306464 | Zig:19   | Killed a dread lich
306464 | Zig:19   | Killed an ancient lich
306464 | Zig:19   | Noticed an ancient lich
306464 | Zig:19   | Noticed an ancient lich
306464 | Zig:19   | Noticed a dread lich
306465 | Zig:19   | Noticed a dread lich
306465 | Zig:19   | Noticed an ancient lich
306465 | Zig:19   | Noticed an ancient lich
306465 | Zig:19   | Noticed an ancient lich
306465 | Zig:19   | Noticed a dread lich
306465 | Zig:19   | Noticed an ancient lich
306465 | Zig:19   | Noticed a dread lich
306466 | Zig:19   | Killed an ancient lich
306466 | Zig:19   | Killed an ancient lich
306466 | Zig:19   | Killed a dread lich
306467 | Zig:19   | Noticed an ancient lich
306467 | Zig:19   | Noticed an ancient lich
306467 | Zig:19   | Noticed an ancient lich
306467 | Zig:19   | Noticed a dread lich
306467 | Zig:19   | Noticed an ancient lich
306467 | Zig:19   | Noticed a dread lich
306467 | Zig:19   | Killed a dread lich
306468 | Zig:19   | Killed an ancient lich
306468 | Zig:19   | Killed an ancient lich
306468 | Zig:19   | Killed a dread lich
306468 | Zig:19   | Killed an ancient lich
306468 | Zig:19   | Killed an ancient lich
306468 | Zig:19   | Killed an ancient lich
306468 | Zig:19   | Killed a dread lich
306468 | Zig:19   | Killed an ancient lich
306468 | Zig:19   | Killed a dread lich
306468 | Zig:19   | Killed a dread lich
306468 | Zig:19   | Noticed a dread lich
306469 | Zig:19   | Noticed a dread lich
306469 | Zig:19   | Noticed an ancient lich
306469 | Zig:19   | Noticed an ancient lich
306469 | Zig:19   | Noticed a dread lich
306470 | Zig:19   | Noticed a dread lich
306470 | Zig:19   | Killed an ancient lich
306470 | Zig:19   | Killed an ancient lich
306470 | Zig:19   | Killed a dread lich
306470 | Zig:19   | Killed an ancient lich
306471 | Zig:19   | Killed a dread lich
306471 | Zig:19   | Killed an ancient lich
306471 | Zig:19   | Noticed an ancient lich
306471 | Zig:19   | Noticed a dread lich
306471 | Zig:19   | Killed a dread lich
306472 | Zig:19   | Noticed a dread lich
306472 | Zig:19   | Noticed a dread lich
306472 | Zig:19   | Noticed an ancient lich
306472 | Zig:19   | Noticed an ancient lich
306472 | Zig:19   | Noticed an ancient lich
306473 | Zig:19   | Noticed an ancient lich
306473 | Zig:19   | Noticed a dread lich
306473 | Zig:19   | Killed a dread lich
306473 | Zig:19   | Killed an ancient lich
306473 | Zig:19   | Killed a dread lich
306473 | Zig:19   | Killed a dread lich
306473 | Zig:19   | Killed an ancient lich
306474 | Zig:19   | Killed a dread lich
306474 | Zig:19   | Killed an ancient lich
306474 | Zig:19   | Killed a dread lich
306474 | Zig:19   | Killed an ancient lich
306474 | Zig:19   | Killed an ancient lich
306474 | Zig:19   | Noticed an ancient lich
306475 | Zig:19   | Noticed an ancient lich
306475 | Zig:19   | Noticed an ancient lich
306475 | Zig:19   | Noticed a dread lich
306475 | Zig:19   | Noticed a dread lich
306475 | Zig:19   | Noticed a dread lich
306476 | Zig:19   | Killed an ancient lich
306476 | Zig:19   | Killed an ancient lich
306476 | Zig:19   | Killed an ancient lich
306477 | Zig:19   | Noticed a dread lich
306477 | Zig:19   | Noticed a dread lich
306477 | Zig:19   | Killed a dread lich
306478 | Zig:19   | Killed a dread lich
306478 | Zig:19   | Killed a dread lich
306478 | Zig:19   | Killed a dread lich
306478 | Zig:19   | Killed a dread lich
306478 | Zig:19   | Noticed a dread lich
306479 | Zig:19   | Noticed an ancient lich
306479 | Zig:19   | Noticed an ancient lich
306479 | Zig:19   | Noticed a dread lich
306479 | Zig:19   | Noticed an ancient lich
306479 | Zig:19   | Noticed an ancient lich
306480 | Zig:19   | Killed an ancient lich
306480 | Zig:19   | Killed an ancient lich
306480 | Zig:19   | Noticed a dread lich
306481 | Zig:19   | Noticed an ancient lich
306481 | Zig:19   | Noticed a dread lich
306481 | Zig:19   | Noticed a dread lich
306482 | Zig:19   | Killed a dread lich
306482 | Zig:19   | Killed an ancient lich
306482 | Zig:19   | Killed an ancient lich
306482 | Zig:19   | Killed a dread lich
306482 | Zig:19   | Killed a dread lich
306482 | Zig:19   | Killed a dread lich
306484 | Zig:19   | Noticed an ancient lich
306484 | Zig:19   | Killed an ancient lich
306484 | Zig:19   | Killed a dread lich
306484 | Zig:19   | Noticed an ancient lich
306484 | Zig:19   | Killed an ancient lich
306484 | Zig:19   | Noticed an ancient lich
306485 | Zig:19   | Noticed a dread lich
306486 | Zig:19   | Killed an ancient lich
306486 | Zig:19   | Killed an ancient lich
306486 | Zig:19   | Killed a dread lich
306486 | Zig:19   | Noticed an ancient lich
306489 | Zig:19   | Killed an ancient lich
306645 | Zig:19   | Identified the ring of Weucisar {rF- rC+ rCorr MP+9 AC+4}
307177 | Zig:19   | Identified the +5 scimitar of Danarome {pain, rElec rC-
                  | Will- Int+9}
307187 | Zig:19   | Identified the amulet "Jahiom Kele" {Faith rElec Slay+2}
307189 | Zig:19   | Identified the staff of Oqalyh {Fly rPois Dex+2 Alchemy}
307191 | Zig:19   | Identified the +8 short sword "Giantbane" {flame, rF+ MP+9}
307206 | Zig:19   | Identified the +3 demon whip "Ceogeiga" {elec, Will+ SInv}
307211 | Zig:19   | Identified the +2 short sword of the Mauling Gods {flame,
                  | Dex+3}
307228 | Zig:20   | Entered Level 20 of a ziggurat
307268 | Zig:20   | Noticed Zaycza the pandemonium lord
307297 | Zig:20   | Killed Zaycza the pandemonium lord
307348 | Zig:20   | Identified the +2 scale mail "Tefol" {rC+ rN+ Str-5}
307351 | Zig:20   | Identified the +1 trident "Bemiforgh" {speed, rCorr Int-2
                  | Stlth+}
307356 | Zig:20   | Identified the +3 quarterstaff of Cisauwau {heavy, rN+
                  | Will+ Str+3}
308044 | Zig:21   | Entered Level 21 of a ziggurat
308072 | Zig:21   | Paralysed by a wendigo for 1 turns
308103 | Zig:21   | Noticed a dread lich
308111 | Zig:21   | Paralysed by a wendigo for 1 turns
308133 | Zig:21   | Killed a dread lich
308229 | Zig:21   | Paralysed by a wendigo for 1 turns
308313 | Zig:21   | Identified the +4 trident of Resourcefulness {vamp, Str+3}
308314 | Zig:21   | Identified the staff of Indomitability {rPois rC+ Ice}
308315 | Zig:21   | Identified the +11 spear "Demonbane" {distort, rC+ Dex+3}
308328 | Zig:21   | Identified the +8 mace of Fundamental Breach {speed, rElec
                  | rPois rC++}
308348 | Zig:21   | Identified the ring "Bumetof" {Fly MP+9}
308350 | Zig:21   | Identified the staff "Kugacah" {*Corrode rElec Will+ Int+2
                  | Conj}
308379 | Zig:21   | Identified the ring "Baub" {Will+ Int+5}
308408 | Zig:21   | Identified the staff of Gravity {rElec rPois Str+4 Alchemy}
308411 | Zig:21   | Identified the ring "Afunya" {rPois Str+6}
308419 | Zig:21   | Identified the +1 scale mail of the Moon Troll {Str+5}
308623 | Zig:21   | Identified the +5 eudemon blade of Fundamental Breach
                  | {holy, rC++ rN+ Dex-4 Stlth+}
309144 | Zig:21   | Identified the staff "Maptye" {rF+ Str+3 Fire}
309158 | Zig:21   | Identified the +9 giant spiked club of Defiance {protect,
                  | ^Contam rElec Str+6 Stlth+}
309173 | Zig:22   | Entered Level 22 of a ziggurat
309248 | Zig:22   | Identified the +3 pair of gloves "Walymacli" {rN+ Str+2}
309269 | Zig:22   | Identified the staff of Paper {rPois rF+ Summ Fire}
309270 | Zig:22   | Identified the ring "Vueng" {Fly rC+ Str+5 Stlth+}
309272 | Zig:22   | Identified the +0 glaive "Voulilu" {drain, rN+ Str+3 Int+3}
309286 | Zig:22   | Identified the +5 glaive of the Big Bang {protect, rElec
                  | Will+}
309291 | Zig:22   | Identified the +1 helmet of Restlessness {Regen+}
309303 | Zig:22   | Identified the ring "Apaoli" {rPois rF- rN+ Dex+2}
309307 | Zig:22   | Identified the +9 spear of the Desolation of Salt {drain,
                  | Fly Str+8 Dex-5 SInv}
309315 | Zig:22   | Identified the +8 hand axe of Neukk {flame, Dex+5}
309316 | Zig:22   | Identified the +1 trident "Solayx" {spect, rF+}
309321 | Zig:22   | Identified the +10 glaive of the Three Nights {drain,
                  | ^Fragile Str+4 Int+6}
309981 | Zig:22   | Identified the +5 eudemon blade of Dofaizutt {holy, rPois}
310007 | Zig:23   | Entered Level 23 of a ziggurat
310037 | Zig:23   | Noticed an ancient lich
310037 | Zig:23   | Killed an ancient lich
310129 | Zig:23   | Identified the +7 plate armour "Liuwe" {rF+ rC+ Int-2
                  | Dex+4}
310179 | Zig:23   | Identified the +3 leather armour of Contumacious Freedom
                  | {Harm rElec rF+}
310195 | Zig:23   | Identified the +7 war axe "Usoso" {heavy, rC+ rCorr Str+2}
310216 | Zig:23   | Identified the staff of the Trees {rElec rC+ rN+ Dex-5
                  | Necro}
310221 | Zig:23   | Identified the +2 chain mail "Keor" {rElec MP+9 Int+6
                  | Dex-2}
310235 | Zig:23   | Identified the ring "Hobbah" {rPois Dex+5}
310241 | Zig:23   | Identified the ring of Midnight {^Drain +Blink rElec Will+
                  | SInv}
310251 | Zig:23   | Identified the +5 orcbow of Josku {heavy, Dex+4}
310825 | Zig:23   | Identified the +1 scale mail "Zaytuxt" {Rampage rC+++ Dex+4
                  | Slay-4}
310828 | Zig:23   | Identified the ring "Geirayci" {rF++ rCorr Int+6 SInv
                  | Stlth-}
310831 | Zig:23   | Identified the ring of Yxuekk {rF- Will+ rCorr SInv}
310882 | Zig:24   | Entered Level 24 of a ziggurat
311017 | Zig:24   | Identified the amulet of Etua {Spirit Regen+}
311020 | Zig:24   | Identified the ring "Cogairaj" {Ice Dex+5}
311024 | Zig:24   | Identified the ring "Loth" {Ice rCorr Str-4 Int+5 Stlth+}
311026 | Zig:24   | Identified the +5 great sword of Demonkind {flame, rPois
                  | rC- Str+3 Dex+3}
311034 | Zig:24   | Identified the +8 dagger of the Sun {protect, *Rage rC+
                  | rCorr Stlth+}
311037 | Zig:24   | Identified the ring of Doubts {rF+ EV+5}
311040 | Zig:24   | Identified the +5 dagger "Widowmaker" {flame, rElec rC+
                  | Str-4 Int+5}
311042 | Zig:24   | Identified the +6 scale mail of Amorality {-Tele rN+++
                  | Str-5 Dex+4}
311047 | Zig:24   | Identified the +0 plate armour of Zin's Castigation {rPois
                  | rF- Int+4}
311048 | Zig:24   | Identified the +9 broad axe "Milople" {freeze, ^Fragile
                  | Str+8}
311060 | Zig:24   | Identified the staff of Latsaq {+Blink rC+ rN+ Necro}
311068 | Zig:24   | Identified the granite talisman of Context {rN++ Dex-4}
311069 | Zig:24   | Identified the staff of Ravage {rElec rC+ Str+4 Air}
311073 | Zig:24   | Identified the ring "Giuq" {rC+ Int+7 Dex+6}
311077 | Zig:24   | Identified the +3 longbow "Cioph" {drain, rF- Str+6}
311083 | Zig:24   | Identified the staff of Focus {+Blink Fly rF+ Int+3 Fire}
311084 | Zig:24   | Identified the ring "Gampos" {rF+ AC+4 Str+5}
311787 | Zig:25   | Entered Level 25 of a ziggurat
311787 | Zig:25   | Noticed Suhufiph the pandemonium lord
311787 | Zig:25   | Noticed Joos the pandemonium lord
311787 | Zig:25   | Noticed Amaump the pandemonium lord
311787 | Zig:25   | Noticed Elecwomu the pandemonium lord
311787 | Zig:25   | Noticed Wiyhi the pandemonium lord
311787 | Zig:25   | Noticed Berghop the pandemonium lord
311787 | Zig:25   | Noticed Ralulyaf the pandemonium lord
311787 | Zig:25   | Noticed Emiad the pandemonium lord
311787 | Zig:25   | Noticed Receloisib the pandemonium lord
311787 | Zig:25   | Noticed Kadet the pandemonium lord
311787 | Zig:25   | Noticed Ethreriesch the pandemonium lord
311787 | Zig:25   | Noticed Xidgharph the pandemonium lord
311787 | Zig:25   | Noticed Gaoti the pandemonium lord
311787 | Zig:25   | Noticed Wuagusykka the pandemonium lord
311789 | Zig:25   | Killed Receloisib the pandemonium lord
311789 | Zig:25   | Killed Wuagusykka the pandemonium lord
311789 | Zig:25   | Killed Emiad the pandemonium lord
311789 | Zig:25   | Noticed Gitrakach the pandemonium lord
311789 | Zig:25   | Noticed Vier Rem the pandemonium lord
311789 | Zig:25   | Noticed Hipil the pandemonium lord
311790 | Zig:25   | Noticed Fysif the pandemonium lord
311790 | Zig:25   | Killed Wiyhi the pandemonium lord
311790 | Zig:25   | Killed Ethreriesch the pandemonium lord
311790 | Zig:25   | Noticed Roepnosm the pandemonium lord
311790 | Zig:25   | Noticed Keapim the pandemonium lord
311791 | Zig:25   | Killed Suhufiph the pandemonium lord
311791 | Zig:25   | Killed Joos the pandemonium lord
311791 | Zig:25   | Killed Gaoti the pandemonium lord
311791 | Zig:25   | Killed Berghop the pandemonium lord
311791 | Zig:25   | Noticed Kimizxoddim the pandemonium lord
311791 | Zig:25   | Killed Ralulyaf the pandemonium lord
311792 | Zig:25   | Killed Xidgharph the pandemonium lord
311792 | Zig:25   | Killed Amaump the pandemonium lord
311792 | Zig:25   | Killed Hipil the pandemonium lord
311792 | Zig:25   | Killed Elecwomu the pandemonium lord
311792 | Zig:25   | Noticed Saehiun the pandemonium lord
311792 | Zig:25   | Noticed Neschaod the pandemonium lord
311792 | Zig:25   | Noticed Watonwer the pandemonium lord
311793 | Zig:25   | Killed Kadet the pandemonium lord
311793 | Zig:25   | Killed Keapim the pandemonium lord
311793 | Zig:25   | Killed Gitrakach the pandemonium lord
311794 | Zig:25   | Noticed Jesi Ret the pandemonium lord
311794 | Zig:25   | Noticed Viebassao the pandemonium lord
311794 | Zig:25   | Noticed Lacvo the pandemonium lord
311794 | Zig:25   | Noticed Etovyuwo the pandemonium lord
311794 | Zig:25   | Noticed Diagg the pandemonium lord
311794 | Zig:25   | Noticed Laefuut the pandemonium lord
311794 | Zig:25   | Noticed Tetan the pandemonium lord
311794 | Zig:25   | Killed Kimizxoddim the pandemonium lord
311795 | Zig:25   | Killed Roepnosm the pandemonium lord
311795 | Zig:25   | Killed Fysif the pandemonium lord
311795 | Zig:25   | Noticed Mammiops the pandemonium lord
311795 | Zig:25   | Killed Saehiun the pandemonium lord
311795 | Zig:25   | Noticed Qotzizis the pandemonium lord
311795 | Zig:25   | Killed Vier Rem the pandemonium lord
311796 | Zig:25   | Noticed Dedul the pandemonium lord
311796 | Zig:25   | Noticed Soecydeg the pandemonium lord
311796 | Zig:25   | Noticed Ogaffy the pandemonium lord
311796 | Zig:25   | Noticed Cueburin the pandemonium lord
311797 | Zig:25   | Noticed Meseapsi the pandemonium lord
311797 | Zig:25   | Killed Watonwer the pandemonium lord
311797 | Zig:25   | Noticed Deataxkafe the pandemonium lord
311797 | Zig:25   | Killed Jesi Ret the pandemonium lord
311798 | Zig:25   | Killed Mammiops the pandemonium lord
311798 | Zig:25   | Killed Neschaod the pandemonium lord
311798 | Zig:25   | Killed Viebassao the pandemonium lord
311798 | Zig:25   | Killed Tetan the pandemonium lord
311798 | Zig:25   | Killed Laefuut the pandemonium lord
311798 | Zig:25   | Killed Lacvo the pandemonium lord
311798 | Zig:25   | Killed Etovyuwo the pandemonium lord
311798 | Zig:25   | Killed Diagg the pandemonium lord
311798 | Zig:25   | Noticed Teutsiss the pandemonium lord
311798 | Zig:25   | Noticed Xorph the pandemonium lord
311798 | Zig:25   | Noticed Kuvonir the pandemonium lord
311799 | Zig:25   | Killed Qotzizis the pandemonium lord
311799 | Zig:25   | Killed Ogaffy the pandemonium lord
311799 | Zig:25   | Killed Soecydeg the pandemonium lord
311799 | Zig:25   | Noticed Korru the pandemonium lord
311799 | Zig:25   | Noticed Ekhur the pandemonium lord
311800 | Zig:25   | Noticed Lirgheyl the pandemonium lord
311800 | Zig:25   | Noticed Hoci the pandemonium lord
311800 | Zig:25   | Noticed Kulex the pandemonium lord
311800 | Zig:25   | Noticed Atuobu the pandemonium lord
311800 | Zig:25   | Noticed Hoesosapn the pandemonium lord
311800 | Zig:25   | Killed Cueburin the pandemonium lord
311800 | Zig:25   | Noticed Vizuil the pandemonium lord
311800 | Zig:25   | Killed Deataxkafe the pandemonium lord
311801 | Zig:25   | Killed Dedul the pandemonium lord
311802 | Zig:25   | Noticed Detos the pandemonium lord
311802 | Zig:25   | Killed Kuvonir the pandemonium lord
311802 | Zig:25   | Killed Xorph the pandemonium lord
311803 | Zig:25   | Noticed Bal Xeg the pandemonium lord
311803 | Zig:25   | Noticed Madeass the pandemonium lord
311803 | Zig:25   | Noticed Fewaf the pandemonium lord
311804 | Zig:25   | Killed Ekhur the pandemonium lord
311804 | Zig:25   | Noticed Zuurac the pandemonium lord
311804 | Zig:25   | Noticed Apnyudir the pandemonium lord
311805 | Zig:25   | Noticed Vapiop the pandemonium lord
311805 | Zig:25   | Killed Lirgheyl the pandemonium lord
311806 | Zig:25   | Killed Hoesosapn the pandemonium lord
311806 | Zig:25   | Killed Bal Xeg the pandemonium lord
311806 | Zig:25   | Noticed Kaso the pandemonium lord
311807 | Zig:25   | Noticed Zuxkopyd the pandemonium lord
311807 | Zig:25   | Banished Kulex the pandemonium lord
311807 | Zig:25   | Noticed Acaczoq the pandemonium lord
311807 | Zig:25   | Noticed Isuirch the pandemonium lord
311808 | Zig:25   | Noticed Cac Xienemm the pandemonium lord
311810 | Zig:25   | Killed Madeass the pandemonium lord
311810 | Zig:25   | Killed Vapiop the pandemonium lord
311810 | Zig:25   | Killed Vizuil the pandemonium lord
311810 | Zig:25   | Killed Atuobu the pandemonium lord
311810 | Zig:25   | Noticed Goebre the pandemonium lord
311810 | Zig:25   | Killed Fewaf the pandemonium lord
311810 | Zig:25   | Killed Kaso the pandemonium lord
311810 | Zig:25   | Noticed Nafoiq the pandemonium lord
311811 | Zig:25   | Noticed Celite the pandemonium lord
311811 | Zig:25   | Killed Teutsiss the pandemonium lord
311811 | Zig:25   | Killed Hoci the pandemonium lord
311811 | Zig:25   | Killed Korru the pandemonium lord
311812 | Zig:25   | Noticed Qaep the pandemonium lord
311812 | Zig:25   | Killed Isuirch the pandemonium lord
311812 | Zig:25   | Killed Meseapsi the pandemonium lord
311812 | Zig:25   | Noticed Fuizicw the pandemonium lord
311812 | Zig:25   | Noticed Olyutami the pandemonium lord
311812 | Zig:25   | Noticed Bukut the pandemonium lord
311813 | Zig:25   | Killed Celite the pandemonium lord
311813 | Zig:25   | Killed Zuxkopyd the pandemonium lord
311813 | Zig:25   | Killed Goebre the pandemonium lord
311813 | Zig:25   | Killed Zuurac the pandemonium lord
311813 | Zig:25   | Killed Acaczoq the pandemonium lord
311813 | Zig:25   | Killed Nafoiq the pandemonium lord
311813 | Zig:25   | Noticed Gaor the pandemonium lord
311813 | Zig:25   | Noticed Tyl Aleq the pandemonium lord
311814 | Zig:25   | Noticed Qonn the pandemonium lord
311814 | Zig:25   | Noticed Ofopuluo the pandemonium lord
311814 | Zig:25   | Noticed Dann the pandemonium lord
311815 | Zig:25   | Noticed Fubishre the pandemonium lord
311815 | Zig:25   | Killed Qaep the pandemonium lord
311815 | Zig:25   | Noticed Eqebrau the pandemonium lord
311815 | Zig:25   | Noticed Kusaworch the pandemonium lord
311816 | Zig:25   | Noticed Syrchop the pandemonium lord
311816 | Zig:25   | Noticed Qugen the pandemonium lord
311816 | Zig:25   | Noticed Getumn the pandemonium lord
311817 | Zig:25   | Killed Ofopuluo the pandemonium lord
311817 | Zig:25   | Killed Cac Xienemm the pandemonium lord
311817 | Zig:25   | Killed Lon Viwk the pandemonium lord
311817 | Zig:25   | Noticed Taucwaf the pandemonium lord
311818 | Zig:25   | Noticed Napim the pandemonium lord
311818 | Zig:25   | Killed Gaor the pandemonium lord
311818 | Zig:25   | Killed Olyutami the pandemonium lord
311818 | Zig:25   | Noticed Cofigg the pandemonium lord
311818 | Zig:25   | Noticed Huorueluan the pandemonium lord
311818 | Zig:25   | Killed Getumn the pandemonium lord
311818 | Zig:25   | Killed Apnyudir the pandemonium lord
311818 | Zig:25   | Noticed Nyug the pandemonium lord
311819 | Zig:25   | Killed Tyl Aleq the pandemonium lord
311819 | Zig:25   | Killed Fubishre the pandemonium lord
311819 | Zig:25   | Noticed Qookhlol the pandemonium lord
311820 | Zig:25   | Killed Syrchop the pandemonium lord
311820 | Zig:25   | Killed Cofigg the pandemonium lord
311820 | Zig:25   | Killed Detos the pandemonium lord
311820 | Zig:25   | Noticed Liwuch the pandemonium lord
311820 | Zig:25   | Noticed Uhiankamp the pandemonium lord
311821 | Zig:25   | Noticed Giakyhuwk the pandemonium lord
311821 | Zig:25   | Noticed Escheud the pandemonium lord
311821 | Zig:25   | Noticed Judakkef the pandemonium lord
311821 | Zig:25   | Noticed Recenke the pandemonium lord
311821 | Zig:25   | Noticed Gih Waib the pandemonium lord
311821 | Zig:25   | Killed Eqebrau the pandemonium lord
311821 | Zig:25   | Killed Dann the pandemonium lord
311821 | Zig:25   | Killed Fuizicw the pandemonium lord
311821 | Zig:25   | Killed Judakkef the pandemonium lord
311821 | Zig:25   | Killed Taucwaf the pandemonium lord
311821 | Zig:25   | Noticed Wiboucs the pandemonium lord
311822 | Zig:25   | Killed Qugen the pandemonium lord
311822 | Zig:25   | Killed Escheud the pandemonium lord
311822 | Zig:25   | Killed Kusaworch the pandemonium lord
311822 | Zig:25   | Killed Bukut the pandemonium lord
311822 | Zig:25   | Killed Napim the pandemonium lord
311822 | Zig:25   | Noticed Huwnod the pandemonium lord
311823 | Zig:25   | Killed Nyug the pandemonium lord
311823 | Zig:25   | Killed Gih Waib the pandemonium lord
311823 | Zig:25   | Killed Uhiankamp the pandemonium lord
311823 | Zig:25   | Noticed Oleuqif the pandemonium lord
311823 | Zig:25   | Noticed Adaen the pandemonium lord
311824 | Zig:25   | Killed Liwuch the pandemonium lord
311824 | Zig:25   | Noticed Wiwyewar the pandemonium lord
311824 | Zig:25   | Noticed Rigo the pandemonium lord
311824 | Zig:25   | Noticed Ludiney the pandemonium lord
311825 | Zig:25   | Noticed Deid the pandemonium lord
311825 | Zig:25   | Noticed Arimucw the pandemonium lord
311826 | Zig:25   | Killed Qonn the pandemonium lord
311826 | Zig:25   | Noticed Maosheble the pandemonium lord
311827 | Zig:25   | Killed Wiboucs the pandemonium lord
311827 | Zig:25   | Noticed Icujucw the pandemonium lord
311827 | Zig:25   | Killed Ludiney the pandemonium lord
311828 | Zig:25   | Noticed Quiplaf the pandemonium lord
311828 | Zig:25   | Noticed Behan the pandemonium lord
311828 | Zig:25   | Killed Qookhlol the pandemonium lord
311828 | Zig:25   | Killed Deid the pandemonium lord
311828 | Zig:25   | Killed Huwnod the pandemonium lord
311828 | Zig:25   | Noticed Fenuze the pandemonium lord
311829 | Zig:25   | Noticed Qogh the pandemonium lord
311829 | Zig:25   | Killed Arimucw the pandemonium lord
311829 | Zig:25   | Noticed Lotoy the pandemonium lord
311830 | Zig:25   | Noticed Rettaz the pandemonium lord
311830 | Zig:25   | Killed Wiwyewar the pandemonium lord
311830 | Zig:25   | Killed Quiplaf the pandemonium lord
311830 | Zig:25   | Noticed Xecw the pandemonium lord
311830 | Zig:25   | Noticed Fomafaze the pandemonium lord
311831 | Zig:25   | Noticed Obosam the pandemonium lord
311831 | Zig:25   | Killed Adaen the pandemonium lord
311831 | Zig:25   | Killed Giakyhuwk the pandemonium lord
311831 | Zig:25   | Killed Recenke the pandemonium lord
311831 | Zig:25   | Killed Maosheble the pandemonium lord
311831 | Zig:25   | Killed Behan the pandemonium lord
311831 | Zig:25   | Killed Qogh the pandemonium lord
311831 | Zig:25   | Noticed Jofruket the pandemonium lord
311831 | Zig:25   | Noticed Ytione the pandemonium lord
311831 | Zig:25   | Noticed Ottoc the pandemonium lord
311832 | Zig:25   | Killed Xecw the pandemonium lord
311832 | Zig:25   | Killed Huorueluan the pandemonium lord
311832 | Zig:25   | Killed Jofruket the pandemonium lord
311832 | Zig:25   | Killed Obosam the pandemonium lord
311832 | Zig:25   | Killed Ytione the pandemonium lord
311832 | Zig:25   | Killed Rigo the pandemonium lord
311832 | Zig:25   | Noticed Kuinal the pandemonium lord
311832 | Zig:25   | Noticed Weenour the pandemonium lord
311832 | Zig:25   | Noticed Butoynad the pandemonium lord
311832 | Zig:25   | Noticed Odunte the pandemonium lord
311832 | Zig:25   | Noticed Tinulyzy the pandemonium lord
311832 | Zig:25   | Noticed Agaj Alorr the pandemonium lord
311833 | Zig:25   | Killed Icujucw the pandemonium lord
311833 | Zig:25   | Killed Fenuze the pandemonium lord
311833 | Zig:25   | Killed Lotoy the pandemonium lord
311833 | Zig:25   | Noticed Onupnos the pandemonium lord
311833 | Zig:25   | Noticed Fixaohin the pandemonium lord
311834 | Zig:25   | Noticed Ohuk the pandemonium lord
311834 | Zig:25   | Noticed Kueterch the pandemonium lord
311834 | Zig:25   | Noticed Xefaw the pandemonium lord
311835 | Zig:25   | Killed Fomafaze the pandemonium lord
311835 | Zig:25   | Noticed Fesuutt the pandemonium lord
311836 | Zig:25   | Killed Oleuqif the pandemonium lord
311836 | Zig:25   | Killed Weenour the pandemonium lord
311836 | Zig:25   | Killed Ottoc the pandemonium lord
311836 | Zig:25   | Killed Rettaz the pandemonium lord
311836 | Zig:25   | Noticed Leajomn the pandemonium lord
311836 | Zig:25   | Killed Zesuwn the pandemonium lord
311836 | Zig:25   | Killed Ohuk the pandemonium lord
311837 | Zig:25   | Killed Fixaohin the pandemonium lord
311837 | Zig:25   | Noticed Nuinwos the pandemonium lord
311838 | Zig:25   | Killed Fesuutt the pandemonium lord
311838 | Zig:25   | Killed Leajomn the pandemonium lord
311838 | Zig:25   | Noticed Noaloant the pandemonium lord
311838 | Zig:25   | Killed Butoynad the pandemonium lord
311838 | Zig:25   | Noticed Yhizaogg the pandemonium lord
311838 | Zig:25   | Killed Onupnos the pandemonium lord
311838 | Zig:25   | Noticed Soedish the pandemonium lord
311838 | Zig:25   | Noticed Mosmed the pandemonium lord
311839 | Zig:25   | Killed Xefaw the pandemonium lord
311839 | Zig:25   | Killed Odunte the pandemonium lord
311839 | Zig:25   | Killed Kuinal the pandemonium lord
311839 | Zig:25   | Noticed Nutesoez the pandemonium lord
311839 | Zig:25   | Killed Agaj Alorr the pandemonium lord
311839 | Zig:25   | Noticed Zeokliph the pandemonium lord
311839 | Zig:25   | Noticed Himan the pandemonium lord
311841 | Zig:25   | Noticed Voexuod the pandemonium lord
311841 | Zig:25   | Noticed Bicenets the pandemonium lord
311842 | Zig:25   | Noticed Focvats the pandemonium lord
311842 | Zig:25   | Killed Noaloant the pandemonium lord
311842 | Zig:25   | Killed Faivud the pandemonium lord
311843 | Zig:25   | Killed Kueterch the pandemonium lord
311843 | Zig:25   | Killed Tinulyzy the pandemonium lord
311843 | Zig:25   | Killed Yhizaogg the pandemonium lord
311843 | Zig:25   | Killed Nutesoez the pandemonium lord
311843 | Zig:25   | Killed Focvats the pandemonium lord
311843 | Zig:25   | Noticed Yleolel the pandemonium lord
311843 | Zig:25   | Noticed Taelocw the pandemonium lord
311843 | Zig:25   | Killed Bicenets the pandemonium lord
311843 | Zig:25   | Noticed Iptar the pandemonium lord
311843 | Zig:25   | Killed Voexuod the pandemonium lord
311843 | Zig:25   | Killed Bahome the pandemonium lord
311843 | Zig:25   | Killed Soedish the pandemonium lord
311843 | Zig:25   | Killed Muzizeck the pandemonium lord
311843 | Zig:25   | Killed Zeokliph the pandemonium lord
311844 | Zig:25   | Killed Mosmed the pandemonium lord
311844 | Zig:25   | Killed Nuinwos the pandemonium lord
311844 | Zig:25   | Noticed Bulipena the pandemonium lord
311845 | Zig:25   | Killed Himan the pandemonium lord
311845 | Zig:25   | Killed Bulipena the pandemonium lord
311845 | Zig:25   | Killed Iptar the pandemonium lord
311845 | Zig:25   | Noticed Big Wiwk the pandemonium lord
311845 | Zig:25   | Noticed Keick the pandemonium lord
311845 | Zig:25   | Noticed Nagaesm the pandemonium lord
311845 | Zig:25   | Noticed Iniengose the pandemonium lord
311845 | Zig:25   | Killed Taelocw the pandemonium lord
311846 | Zig:25   | Killed Yleolel the pandemonium lord
311846 | Zig:25   | Killed Keick the pandemonium lord
311846 | Zig:25   | Killed Nagaesm the pandemonium lord
311846 | Zig:25   | Noticed Komon the pandemonium lord
311846 | Zig:25   | Noticed Realereg the pandemonium lord
311846 | Zig:25   | Noticed Naut the pandemonium lord
311846 | Zig:25   | Noticed Kunes the pandemonium lord
311846 | Zig:25   | Noticed Ebyat the pandemonium lord
311847 | Zig:25   | Noticed Fomu the pandemonium lord
311847 | Zig:25   | Noticed Ditti the pandemonium lord
311847 | Zig:25   | Noticed Eptepn the pandemonium lord
311847 | Zig:25   | Noticed Xememaf the pandemonium lord
311847 | Zig:25   | Killed Iniengose the pandemonium lord
311847 | Zig:25   | Killed Ebyat the pandemonium lord
311847 | Zig:25   | Noticed Xurutu the pandemonium lord
311847 | Zig:25   | Noticed Tuommuagi the pandemonium lord
311847 | Zig:25   | Noticed Binnuzuc the pandemonium lord
311848 | Zig:25   | Noticed Dypoim the pandemonium lord
311848 | Zig:25   | Killed Dypoim the pandemonium lord
311848 | Zig:25   | Killed Fomu the pandemonium lord
311848 | Zig:25   | Killed Xememaf the pandemonium lord
311848 | Zig:25   | Killed Ditti the pandemonium lord
311848 | Zig:25   | Killed Komon the pandemonium lord
311848 | Zig:25   | Killed Realereg the pandemonium lord
311848 | Zig:25   | Killed Binnuzuc the pandemonium lord
311848 | Zig:25   | Noticed Qouxam the pandemonium lord
311850 | Zig:25   | Killed Tuommuagi the pandemonium lord
311850 | Zig:25   | Killed Xurutu the pandemonium lord
311850 | Zig:25   | Noticed Detoes the pandemonium lord
311850 | Zig:25   | Noticed Dipoi the pandemonium lord
311850 | Zig:25   | Noticed Oxayc the pandemonium lord
311851 | Zig:25   | Killed Eptepn the pandemonium lord
311851 | Zig:25   | Noticed Nuom the pandemonium lord
311851 | Zig:25   | Noticed Riho the pandemonium lord
311851 | Zig:25   | Noticed Pemurch the pandemonium lord
311852 | Zig:25   | Killed Big Wiwk the pandemonium lord
311852 | Zig:25   | Killed Qouxam the pandemonium lord
311852 | Zig:25   | Killed Kunes the pandemonium lord
311852 | Zig:25   | Killed Detoes the pandemonium lord
311852 | Zig:25   | Killed Riho the pandemonium lord
311852 | Zig:25   | Noticed Meblimum the pandemonium lord
311853 | Zig:25   | Killed Meblimum the pandemonium lord
311853 | Zig:25   | Killed Nuom the pandemonium lord
311853 | Zig:25   | Noticed Zishumeat the pandemonium lord
311853 | Zig:25   | Killed Peiwous the pandemonium lord
311854 | Zig:25   | Killed Oxayc the pandemonium lord
311854 | Zig:25   | Killed Pemurch the pandemonium lord
311854 | Zig:25   | Killed Zishumeat the pandemonium lord
311854 | Zig:25   | Noticed a juggernaut
311855 | Zig:25   | Killed Dipoi the pandemonium lord
311855 | Zig:25   | Noticed Ticvaoru the pandemonium lord
311856 | Zig:25   | Noticed Xaedoppi the pandemonium lord
311857 | Zig:25   | Killed a juggernaut
311857 | Zig:25   | Killed Xaedoppi the pandemonium lord
311857 | Zig:25   | Killed Ticvaoru the pandemonium lord
311857 | Zig:25   | Noticed Jetuisk the pandemonium lord
311857 | Zig:25   | Noticed Kymo the pandemonium lord
311858 | Zig:25   | Noticed Orolodghu the pandemonium lord
311858 | Zig:25   | Noticed Payc the pandemonium lord
311859 | Zig:25   | Killed Payc the pandemonium lord
311859 | Zig:25   | Killed Qikoline the pandemonium lord
311859 | Zig:25   | Killed Vierphusch the pandemonium lord
311860 | Zig:25   | Killed Jetuisk the pandemonium lord
311860 | Zig:25   | Killed Icwaxky the pandemonium lord
311860 | Zig:25   | Killed Orolodghu the pandemonium lord
311860 | Zig:25   | Noticed Becala the pandemonium lord
311861 | Zig:25   | Noticed Car Yfukk the pandemonium lord
311862 | Zig:25   | Noticed Joisecit the pandemonium lord
311862 | Zig:25   | Noticed Nutoster the pandemonium lord
311862 | Zig:25   | Noticed Yduig the pandemonium lord
311862 | Zig:25   | Noticed Noalanta the pandemonium lord
311862 | Zig:25   | Noticed Zesuub the pandemonium lord
311862 | Zig:25   | Noticed Erchul the pandemonium lord
311863 | Zig:25   | Noticed Picutwas the pandemonium lord
311863 | Zig:25   | Killed Joisecit the pandemonium lord
311863 | Zig:25   | Killed Noalanta the pandemonium lord
311863 | Zig:25   | Killed Picutwas the pandemonium lord
311863 | Zig:25   | Noticed Ulla the pandemonium lord
311864 | Zig:25   | Killed Yduig the pandemonium lord
311864 | Zig:25   | Killed Erchul the pandemonium lord
311864 | Zig:25   | Killed Becala the pandemonium lord
311864 | Zig:25   | Noticed Pexiuq the pandemonium lord
311865 | Zig:25   | Noticed Kogoryx the pandemonium lord
311865 | Zig:25   | Noticed Nukhlaxt the pandemonium lord
311865 | Zig:25   | Noticed Geho the pandemonium lord
311865 | Zig:25   | Noticed Cuhed the pandemonium lord
311865 | Zig:25   | Noticed Toise the pandemonium lord
311865 | Zig:25   | Noticed Zullept the pandemonium lord
311865 | Zig:25   | Noticed Fiopseor the pandemonium lord
311865 | Zig:25   | Noticed Salegenn the pandemonium lord
311865 | Zig:25   | Noticed Eniyte the pandemonium lord
311865 | Zig:25   | Noticed Reruc the pandemonium lord
311866 | Zig:25   | Killed Car Yfukk the pandemonium lord
311866 | Zig:25   | Killed Salegenn the pandemonium lord
311866 | Zig:25   | Killed Reruc the pandemonium lord
311866 | Zig:25   | Killed Naut the pandemonium lord
311866 | Zig:25   | Noticed Okhefou the pandemonium lord
311866 | Zig:25   | Noticed Wifum the pandemonium lord
311867 | Zig:25   | Noticed Viol the pandemonium lord
311868 | Zig:25   | Noticed Roiwk the pandemonium lord
311868 | Zig:25   | Noticed Juite the pandemonium lord
311868 | Zig:25   | Noticed Winoclun the pandemonium lord
311868 | Zig:25   | Noticed Ytsosk the pandemonium lord
311868 | Zig:25   | Killed Cajosi the pandemonium lord
311868 | Zig:25   | Killed Toise the pandemonium lord
311869 | Zig:25   | Killed Nutoster the pandemonium lord
311869 | Zig:25   | Killed Viol the pandemonium lord
311869 | Zig:25   | Killed Kymo the pandemonium lord
311869 | Zig:25   | Killed Pexiuq the pandemonium lord
311869 | Zig:25   | Killed Kogoryx the pandemonium lord
311869 | Zig:25   | Killed Eniyte the pandemonium lord
311870 | Zig:25   | Killed Ulla the pandemonium lord
311870 | Zig:25   | Noticed Zous the pandemonium lord
311870 | Zig:25   | Noticed Liom the pandemonium lord
311871 | Zig:25   | Noticed Saegig the pandemonium lord
311872 | Zig:25   | Killed Juite the pandemonium lord
311873 | Zig:25   | Killed Winoclun the pandemonium lord
311876 | Zig:25   | Killed Zullept the pandemonium lord
311876 | Zig:25   | Killed Geho the pandemonium lord
311877 | Zig:25   | Killed Roiwk the pandemonium lord
311877 | Zig:25   | Noticed Ociggagh the pandemonium lord
311879 | Zig:25   | Killed Okhefou the pandemonium lord
311879 | Zig:25   | Killed Cuhed the pandemonium lord
311881 | Zig:25   | Killed Nukhlaxt the pandemonium lord
311882 | Zig:25   | Killed Ytsosk the pandemonium lord
311882 | Zig:25   | Noticed Zitilij the pandemonium lord
311882 | Zig:25   | Noticed Ywemejy the pandemonium lord
311883 | Zig:25   | Killed Zitilij the pandemonium lord
311883 | Zig:25   | Killed Zous the pandemonium lord
311883 | Zig:25   | Killed Saegig the pandemonium lord
311885 | Zig:25   | Killed Fiopseor the pandemonium lord
311887 | Zig:25   | Killed Ywemejy the pandemonium lord
311887 | Zig:25   | Noticed Ycoorah the pandemonium lord
311888 | Zig:25   | Noticed Qyont the pandemonium lord
311888 | Zig:25   | Noticed Oleutemm the pandemonium lord
311888 | Zig:25   | Noticed Ofac the pandemonium lord
311888 | Zig:25   | Killed Ofac the pandemonium lord
311888 | Zig:25   | Killed Oleutemm the pandemonium lord
311888 | Zig:25   | Killed Zesuub the pandemonium lord
311888 | Zig:25   | Noticed Ygoruduun the pandemonium lord
311888 | Zig:25   | Killed Liom the pandemonium lord
311889 | Zig:25   | Noticed Idyps the pandemonium lord
311890 | Zig:25   | Killed Qyont the pandemonium lord
311890 | Zig:25   | Noticed Adi Erao the pandemonium lord
311891 | Zig:25   | Noticed Tecasi Tairu the pandemonium lord
311892 | Zig:25   | Noticed Rumiteo the pandemonium lord
311892 | Zig:25   | Noticed Noafang the pandemonium lord
311893 | Zig:25   | Killed Adi Erao the pandemonium lord
311893 | Zig:25   | Killed Ycoorah the pandemonium lord
311893 | Zig:25   | Noticed Imeetu Geoj the pandemonium lord
311894 | Zig:25   | Noticed Weym the pandemonium lord
311894 | Zig:25   | Killed Ygoruduun the pandemonium lord
311894 | Zig:25   | Killed Weym the pandemonium lord
311895 | Zig:25   | Noticed Epliaw the pandemonium lord
311895 | Zig:25   | Noticed Reitz the pandemonium lord
311896 | Zig:25   | Killed Rumiteo the pandemonium lord
311897 | Zig:25   | Killed Noafang the pandemonium lord
311897 | Zig:25   | Noticed Kiferi the pandemonium lord
311899 | Zig:25   | Killed Reitz the pandemonium lord
311899 | Zig:25   | Killed Wifum the pandemonium lord
311899 | Zig:25   | Killed Idyps the pandemonium lord
311899 | Zig:25   | Killed Imeetu Geoj the pandemonium lord
311899 | Zig:25   | Noticed Fuasei the pandemonium lord
311900 | Zig:25   | Noticed Vifosch the pandemonium lord
311900 | Zig:25   | Noticed Foobiap the pandemonium lord
311901 | Zig:25   | Noticed Buheon the pandemonium lord
311901 | Zig:25   | Noticed Xaurahiq the pandemonium lord
311901 | Zig:25   | Killed Vifosch the pandemonium lord
311902 | Zig:25   | Killed Buheon the pandemonium lord
311902 | Zig:25   | Noticed Fetocianarr the pandemonium lord
311902 | Zig:25   | Noticed Acef the pandemonium lord
311903 | Zig:25   | Noticed Duhadudgh the pandemonium lord
311903 | Zig:25   | Noticed Toaloc the pandemonium lord
311903 | Zig:25   | Killed Epliaw the pandemonium lord
311904 | Zig:25   | Killed Facik the pandemonium lord
311904 | Zig:25   | Noticed Vafiokh the pandemonium lord
311905 | Zig:25   | Killed Foobiap the pandemonium lord
311905 | Zig:25   | Killed Xaurahiq the pandemonium lord
311905 | Zig:25   | Noticed Jeek Puwn the pandemonium lord
311906 | Zig:25   | Killed Duhadudgh the pandemonium lord
311906 | Zig:25   | Killed Acef the pandemonium lord
311906 | Zig:25   | Killed Vafiokh the pandemonium lord
311906 | Zig:25   | Killed Fuasei the pandemonium lord
311907 | Zig:25   | Killed Kiferi the pandemonium lord
311907 | Zig:25   | Killed Toaloc the pandemonium lord
311907 | Zig:25   | Noticed Copetoyps the pandemonium lord
311908 | Zig:25   | Killed Tecasi Tairu the pandemonium lord
311908 | Zig:25   | Killed Jeek Puwn the pandemonium lord
311908 | Zig:25   | Killed Semughay the pandemonium lord
311909 | Zig:25   | Noticed Qulos the pandemonium lord
311909 | Zig:25   | Noticed Equhoel the pandemonium lord
311909 | Zig:25   | Noticed Saothan the pandemonium lord
311909 | Zig:25   | Noticed Ceyniduc the pandemonium lord
311909 | Zig:25   | Noticed Imnor the pandemonium lord
311910 | Zig:25   | Noticed Ulonabis the pandemonium lord
311910 | Zig:25   | Noticed Dutoyt the pandemonium lord
311910 | Zig:25   | Noticed Fopogg the pandemonium lord
311910 | Zig:25   | Noticed Ziurph the pandemonium lord
311910 | Zig:25   | Killed Fetocianarr the pandemonium lord
311911 | Zig:25   | Noticed Ylliwny the pandemonium lord
311911 | Zig:25   | Killed Copetoyps the pandemonium lord
311911 | Zig:25   | Killed Ociggagh the pandemonium lord
311911 | Zig:25   | Killed Equhoel the pandemonium lord
311911 | Zig:25   | Killed Qulos the pandemonium lord
311911 | Zig:25   | Noticed Kahuvoke the pandemonium lord
311912 | Zig:25   | Killed Fopogg the pandemonium lord
311912 | Zig:25   | Noticed Xesien the pandemonium lord
311913 | Zig:25   | Killed Imnor the pandemonium lord
311913 | Zig:25   | Killed Ziurph the pandemonium lord
311913 | Zig:25   | Killed Kahuvoke the pandemonium lord
311913 | Zig:25   | Killed Ylliwny the pandemonium lord
311913 | Zig:25   | Killed Saothan the pandemonium lord
311913 | Zig:25   | Killed Ceyniduc the pandemonium lord
311913 | Zig:25   | Noticed Iteabuba the pandemonium lord
311914 | Zig:25   | Killed Iteabuba the pandemonium lord
311914 | Zig:25   | Noticed Ohoudoena the pandemonium lord
311915 | Zig:25   | Noticed Wuymeaci the pandemonium lord
311915 | Zig:25   | Noticed Ceuciumi the pandemonium lord
311916 | Zig:25   | Killed Ulonabis the pandemonium lord
311916 | Zig:25   | Noticed Gidupij the pandemonium lord
311916 | Zig:25   | Killed Dutoyt the pandemonium lord
311917 | Zig:25   | Noticed Genuthe the pandemonium lord
311917 | Zig:25   | Killed Ohoudoena the pandemonium lord
311917 | Zig:25   | Noticed Kiojoal the pandemonium lord
311918 | Zig:25   | Noticed Jerus the pandemonium lord
311919 | Zig:25   | Noticed Kimech the pandemonium lord
311919 | Zig:25   | Noticed Ireqaom the pandemonium lord
311919 | Zig:25   | Noticed Haripele the pandemonium lord
311919 | Zig:25   | Noticed Jifastr Epru the pandemonium lord
311919 | Zig:25   | Noticed Pemnejao the pandemonium lord
311919 | Zig:25   | Noticed Maumul the pandemonium lord
311919 | Zig:25   | Noticed Hoelula the pandemonium lord
311919 | Zig:25   | Killed Zeppuk the pandemonium lord
311919 | Zig:25   | Noticed Ibyu the pandemonium lord
311919 | Zig:25   | Killed Niefezxo the pandemonium lord
311919 | Zig:25   | Killed Genuthe the pandemonium lord
311920 | Zig:25   | Killed Haripele the pandemonium lord
311920 | Zig:25   | Killed Wuymeaci the pandemonium lord
311921 | Zig:25   | Noticed Hicese Guahu the pandemonium lord
311922 | Zig:25   | Killed Gidupij the pandemonium lord
311922 | Zig:25   | Killed Ceuciumi the pandemonium lord
311922 | Zig:25   | Killed Maumul the pandemonium lord
311922 | Zig:25   | Killed Jerus the pandemonium lord
311922 | Zig:25   | Killed Ireqaom the pandemonium lord
311922 | Zig:25   | Killed Ibyu the pandemonium lord
311922 | Zig:25   | Killed Jifastr Epru the pandemonium lord
311922 | Zig:25   | Killed Kiojoal the pandemonium lord
311922 | Zig:25   | Noticed Gumuudd the pandemonium lord
311922 | Zig:25   | Killed Cimau the pandemonium lord
311923 | Zig:25   | Killed Xesien the pandemonium lord
311923 | Zig:25   | Killed Pemnejao the pandemonium lord
311923 | Zig:25   | Killed Gumuudd the pandemonium lord
311923 | Zig:25   | Noticed Moxzobue the pandemonium lord
311923 | Zig:25   | Noticed Eloeti the pandemonium lord
311923 | Zig:25   | Noticed Asuixot the pandemonium lord
311923 | Zig:25   | Noticed Foavomm the pandemonium lord
311924 | Zig:25   | Killed Hoelula the pandemonium lord
311924 | Zig:25   | Killed Foavomm the pandemonium lord
311924 | Zig:25   | Killed Hicese Guahu the pandemonium lord
311924 | Zig:25   | Noticed Vaozxioman the pandemonium lord
311925 | Zig:25   | Killed Moxzobue the pandemonium lord
311925 | Zig:25   | Noticed Qoomyl the pandemonium lord
311926 | Zig:25   | Killed Kimech the pandemonium lord
311926 | Zig:25   | Noticed Recuemp the pandemonium lord
311926 | Zig:25   | Noticed Bikav the pandemonium lord
311928 | Zig:25   | Noticed Kitzix the pandemonium lord
311928 | Zig:25   | Killed Eloeti the pandemonium lord
311928 | Zig:25   | Killed Recuemp the pandemonium lord
311928 | Zig:25   | Killed Vaozxioman the pandemonium lord
311928 | Zig:25   | Noticed Dyqugosi the pandemonium lord
311929 | Zig:25   | Killed Bikav the pandemonium lord
311929 | Zig:25   | Killed Qoomyl the pandemonium lord
311929 | Zig:25   | Noticed Keggianla the pandemonium lord
311929 | Zig:25   | Killed Asuixot the pandemonium lord
311930 | Zig:25   | Noticed Ikhaz the pandemonium lord
311931 | Zig:25   | Killed Kitzix the pandemonium lord
311931 | Zig:25   | Killed Ikhaz the pandemonium lord
311931 | Zig:25   | Killed Dyqugosi the pandemonium lord
311931 | Zig:25   | Killed Modghyj the pandemonium lord
311931 | Zig:25   | Noticed Ybisyad the pandemonium lord
311931 | Zig:25   | Noticed Navvoh the pandemonium lord
311931 | Zig:25   | Noticed Bavuptei the pandemonium lord
311931 | Zig:25   | Noticed Tobos the pandemonium lord
311932 | Zig:25   | Noticed Kealere the pandemonium lord
311933 | Zig:25   | Noticed Siuxull the pandemonium lord
311933 | Zig:25   | Noticed Ockew the pandemonium lord
311934 | Zig:25   | Killed Keggianla the pandemonium lord
311934 | Zig:25   | Killed Navvoh the pandemonium lord
311934 | Zig:25   | Killed Ybisyad the pandemonium lord
311934 | Zig:25   | Killed Tobos the pandemonium lord
311934 | Zig:25   | Killed Kealere the pandemonium lord
311934 | Zig:25   | Noticed Ynepner the pandemonium lord
311935 | Zig:25   | Killed Siuxull the pandemonium lord
311935 | Zig:25   | Noticed Xazediyw the pandemonium lord
311935 | Zig:25   | Noticed Suko Ywk the pandemonium lord
311936 | Zig:25   | Noticed Isho the pandemonium lord
311937 | Zig:25   | Killed Suko Ywk the pandemonium lord
311937 | Zig:25   | Noticed Cuoj the pandemonium lord
311937 | Zig:25   | Noticed Xici Jye the pandemonium lord
311937 | Zig:25   | Noticed Qunit the pandemonium lord
311938 | Zig:25   | Killed Ockew the pandemonium lord
311938 | Zig:25   | Noticed Zappuag the pandemonium lord
311939 | Zig:25   | Killed Cuoj the pandemonium lord
311939 | Zig:25   | Noticed Geri the pandemonium lord
311940 | Zig:25   | Killed Isho the pandemonium lord
311940 | Zig:25   | Killed Xici Jye the pandemonium lord
311941 | Zig:25   | Killed Geri the pandemonium lord
311941 | Zig:25   | Killed Bavuptei the pandemonium lord
311941 | Zig:25   | Killed Xazediyw the pandemonium lord
311941 | Zig:25   | Noticed Biurym the pandemonium lord
311941 | Zig:25   | Noticed Gipeeq the pandemonium lord
311942 | Zig:25   | Killed Zappuag the pandemonium lord
311942 | Zig:25   | Killed Gipeeq the pandemonium lord
311942 | Zig:25   | Noticed Uhiah the pandemonium lord
311944 | Zig:25   | Noticed Liusics the pandemonium lord
311944 | Zig:25   | Noticed Ulaemew the pandemonium lord
311945 | Zig:25   | Noticed Megi the pandemonium lord
311947 | Zig:25   | Killed Ulaemew the pandemonium lord
311947 | Zig:25   | Killed Qunit the pandemonium lord
311947 | Zig:25   | Killed Ynepner the pandemonium lord
311948 | Zig:25   | Killed Uhiah the pandemonium lord
311949 | Zig:25   | Killed Liusics the pandemonium lord
311949 | Zig:25   | Noticed Sorinih the pandemonium lord
311950 | Zig:25   | Noticed Ygini the pandemonium lord
311950 | Zig:25   | Noticed Usisiel the pandemonium lord
311952 | Zig:25   | Killed Biurym the pandemonium lord
311952 | Zig:25   | Killed Usisiel the pandemonium lord
311952 | Zig:25   | Noticed Yliral the pandemonium lord
311953 | Zig:25   | Killed Sorinih the pandemonium lord
311953 | Zig:25   | Killed Ygini the pandemonium lord
311953 | Zig:25   | Noticed Lurgh the pandemonium lord
311953 | Zig:25   | Noticed Fikael the pandemonium lord
311954 | Zig:25   | Killed Megi the pandemonium lord
311954 | Zig:25   | Killed Yliral the pandemonium lord
311955 | Zig:25   | Noticed Tuss the pandemonium lord
311956 | Zig:25   | Noticed Hiumam the pandemonium lord
311958 | Zig:25   | Killed Tuss the pandemonium lord
311958 | Zig:25   | Noticed Vil Osas the pandemonium lord
311958 | Zig:25   | Noticed Seuvvukk the pandemonium lord
311958 | Zig:25   | Noticed Soodepn the pandemonium lord
311959 | Zig:25   | Killed Hiumam the pandemonium lord
311959 | Zig:25   | Killed Lurgh the pandemonium lord
311961 | Zig:25   | Noticed Gaoppeig the pandemonium lord
311961 | Zig:25   | Noticed Luafo the pandemonium lord
311962 | Zig:25   | Noticed Luuwonet the pandemonium lord
311962 | Zig:25   | Killed Fikael the pandemonium lord
311962 | Zig:25   | Killed Seuvvukk the pandemonium lord
311963 | Zig:25   | Noticed Ehutiq the pandemonium lord
311964 | Zig:25   | Killed Gaoppeig the pandemonium lord
311964 | Zig:25   | Killed Luafo the pandemonium lord
311964 | Zig:25   | Killed Luuwonet the pandemonium lord
311965 | Zig:25   | Killed Soodepn the pandemonium lord
311965 | Zig:25   | Killed Ehutiq the pandemonium lord
311965 | Zig:25   | Noticed Houxaoq the pandemonium lord
311965 | Zig:25   | Noticed Pyovus the pandemonium lord
311967 | Zig:25   | Killed Vil Osas the pandemonium lord
311967 | Zig:25   | Noticed Sijadwe the pandemonium lord
311968 | Zig:25   | Noticed Lixtium the pandemonium lord
311968 | Zig:25   | Noticed Jifajus the pandemonium lord
311968 | Zig:25   | Noticed Jacuan the pandemonium lord
311968 | Zig:25   | Noticed Fuelik the pandemonium lord
311969 | Zig:25   | Killed Jacuan the pandemonium lord
311969 | Zig:25   | Noticed Pueps the pandemonium lord
311969 | Zig:25   | Killed Pyovus the pandemonium lord
311971 | Zig:25   | Noticed Teuwkois the pandemonium lord
311971 | Zig:25   | Killed Lixtium the pandemonium lord
311972 | Zig:25   | Killed Fuelik the pandemonium lord
311972 | Zig:25   | Killed Jifajus the pandemonium lord
311972 | Zig:25   | Killed Houxaoq the pandemonium lord
311973 | Zig:25   | Killed Teuwkois the pandemonium lord
311973 | Zig:25   | Killed Sijadwe the pandemonium lord
311973 | Zig:25   | Noticed Zilli the pandemonium lord
311974 | Zig:25   | Killed Pueps the pandemonium lord
311976 | Zig:25   | Killed Zilli the pandemonium lord
312024 | Zig:25   | Identified the ring "Xaar Wuf" {Int+2 Dex+6}
312042 | Zig:25   | Identified the +0 steam dragon scales "Jezapeti" {Rampage
                  | Int+2 Stlth+}
312043 | Zig:25   | Identified the +6 long sword "Talegiy" {freeze, rElec rC-
                  | Stlth+}
312053 | Zig:25   | Identified the +0 battleaxe of Res Judicata {freeze, Str+3
                  | Int+2}
312057 | Zig:25   | Identified the +8 scale mail of Oweit {Fly rPois}
312067 | Zig:25   | Identified the ring of Taanar {^Drain rElec rPois rN+
                  | Stlth+}
312505 | Zig:26   | Entered Level 26 of a ziggurat
312592 | Zig:26   | Identified the +1 eudemon blade of the Mind {holy, rF-
                  | Will+ rCorr}
312602 | Zig:26   | Identified the +8 war axe of Salt {pain, rF+ Dex+5}
313165 | Zig:26   | Identified the +7 shortbow of Xadwuam {drain, SInv}
313286 | Zig:26   | Identified the +1 falchion of Revolt {holy, rElec Str+3}
313304 | Zig:26   | Identified the +9 great mace "Culi" {freeze, rF+ rN+++
                  | Will+ Stlth-}
313320 | Zig:26   | Identified the +1 falchion "Teriola" {spect, Will+}
313321 | Zig:26   | Identified the staff of Rown {^Drain rElec rN+ Dex+5 Necro}
313336 | Zig:26   | Identified the +2 robe of the Merchant {Regen+ Str-4 Int+7
                  | Dex-3}
313338 | Zig:26   | Identified the staff of Drought {rElec rC+ Str-2 Int+3 Summ
                  | Ice}
313344 | Zig:26   | Identified the ring "Hyprit" {rPois Str-5 Int+5 Dex+6
                  | Stlth+}
313348 | Zig:26   | Identified the +8 eveningstar of Accidental Termination
                  | {freeze, *Noise rF+ Int+3}
313478 | Zig:27   | Entered Level 27 of a ziggurat
313490 | Zig:27   | Noticed a dread lich
313493 | Zig:27   | Killed a dread lich
313493 | Zig:27   | Noticed a dread lich
313499 | Zig:27   | Killed a dread lich
313606 | Zig:27   | Killed a starcursed mass
313662 | Zig:27   | Identified the +3 shortbow of Untruth {drain, Fly Stlth+}
313667 | Zig:27   | Identified the +2 eudemon blade of the Witching Wasp {holy,
                  | rC++ rN+}
313693 | Zig:27   | Identified the ring of Ydawk {Ice rPois Str-4 Slay+5 SInv}
313714 | Zig:27   | Identified the +5 quarterstaff of Ambiguity {freeze, *Noise
                  | rElec rC+}
313725 | Zig:27   | Identified the ring "Ugheng" {rF+ MP+9 Int+2}
313746 | Zig:27   | Identified the ring "Poiduaxo" {rF+ rC+}
313781 | Zig:27   | Identified the ring of Yneavap {rElec MP+9}
313784 | Zig:27   | Identified the ring of Suc Muito {rF++ Str+6}
313791 | Zig:27   | Identified the ring "Enekhaikk" {Ice rN+}
313797 | Zig:27   | Identified the +7 whip of the Brewing Genius {flame, rN++
                  | Int-5}
313802 | Zig:27   | Identified the +3 falchion of Yshroniuk {freeze, rPois
                  | Will+ Str+3}
313829 | Zig:27   | Identified the staff of Isuur {rElec Dex+3 Fire Air}
314457 | Depths:3 | Acquired 1286 gold pieces
314458 | Depths:3 | Acquired 649 gold pieces
314459 | Depths:3 | Acquired 1273 gold pieces
314460 | Depths:3 | Acquired 1227 gold pieces
314461 | Depths:3 | Acquired 506 gold pieces
314462 | Depths:3 | Acquired 846 gold pieces
314463 | Depths:3 | Acquired the +0 pair of gloves of the Amoeba {rCorr Dex+8}
314464 | Depths:3 | Acquired 423 gold pieces
314465 | Depths:3 | Acquired 379 gold pieces
314466 | Depths:3 | Acquired 541 gold pieces
314467 | Depths:3 | Acquired the +2 pair of gloves "Kecweis" {Int+4}
314468 | Depths:3 | Acquired 722 gold pieces
314469 | Depths:3 | Acquired 716 gold pieces
314482 | Zig:1    | Entered Level 1 of a ziggurat
314482 | Zig:1    | Noticed Hododd the pandemonium lord
314482 | Zig:1    | Noticed Cefesoil the pandemonium lord
314482 | Zig:1    | Noticed Louhaeh the pandemonium lord
314482 | Zig:1    | Noticed Nawelet the pandemonium lord
314482 | Zig:1    | Noticed Vomir the pandemonium lord
314482 | Zig:1    | Noticed Ahurakh the pandemonium lord
314482 | Zig:1    | Noticed Nobischa the pandemonium lord
314482 | Zig:1    | Noticed Edass the pandemonium lord
314482 | Zig:1    | Noticed Niyrug Haos the pandemonium lord
314482 | Zig:1    | Noticed Simoimux the pandemonium lord
314482 | Zig:1    | Noticed Ompa the pandemonium lord
314482 | Zig:1    | Noticed Torim the pandemonium lord
314482 | Zig:1    | Noticed Waynezeh the pandemonium lord
314485 | Zig:1    | Killed Torim the pandemonium lord
314485 | Zig:1    | Killed Vomir the pandemonium lord
314485 | Zig:1    | Killed Louhaeh the pandemonium lord
314485 | Zig:1    | Killed Ahurakh the pandemonium lord
314486 | Zig:1    | Killed Simoimux the pandemonium lord
314486 | Zig:1    | Killed Nawelet the pandemonium lord
314486 | Zig:1    | Killed Waynezeh the pandemonium lord
314486 | Zig:1    | Killed Ompa the pandemonium lord
314486 | Zig:1    | Killed Cefesoil the pandemonium lord
314486 | Zig:1    | Killed Niyrug Haos the pandemonium lord
314486 | Zig:1    | Killed Edass the pandemonium lord
314486 | Zig:1    | Killed Nobischa the pandemonium lord
314488 | Zig:1    | Killed Hododd the pandemonium lord
314581 | Zig:2    | Entered Level 2 of a ziggurat
314581 | Zig:2    | Noticed Cegyg the pandemonium lord
314583 | Zig:2    | Killed Cegyg the pandemonium lord
314668 | Zig:3    | Entered Level 3 of a ziggurat
314693 | Zig:3    | Identified the amulet "Wosib" {rElec Regen+}
314711 | Zig:3    | Identified the +1 broad axe of Dismemberment {vamp, Dex+3}
314715 | Zig:3    | Identified the staff of Causality {rPois Int+2 Stlth+
                  | Alchemy}
314816 | Zig:4    | Entered Level 4 of a ziggurat
314816 | Zig:4    | Noticed a royal mummy
314816 | Zig:4    | Noticed an ancient lich
314816 | Zig:4    | Noticed a royal mummy
314816 | Zig:4    | Noticed a royal mummy
314816 | Zig:4    | Noticed a royal mummy
314816 | Zig:4    | Noticed a royal mummy
314816 | Zig:4    | Noticed a royal mummy
314816 | Zig:4    | Noticed a royal mummy
314816 | Zig:4    | Noticed a royal mummy
314818 | Zig:4    | Killed a royal mummy
314818 | Zig:4    | Killed a royal mummy
314818 | Zig:4    | Killed a royal mummy
314818 | Zig:4    | Killed a royal mummy
314818 | Zig:4    | Killed an ancient lich
314818 | Zig:4    | Killed a royal mummy
314818 | Zig:4    | Killed a royal mummy
314818 | Zig:4    | Killed a royal mummy
314820 | Zig:4    | Killed a royal mummy
314932 | Zig:4    | Identified the +4 battleaxe of Sharkskin {freeze, rC+
                  | Int+4}
314973 | Zig:4    | Identified the staff of the Stork {rF+ Necro Tloc Earth}
315016 | Zig:5    | Entered Level 5 of a ziggurat
315016 | Zig:5    | Noticed Xalo the pandemonium lord
315016 | Zig:5    | Noticed Geesa the pandemonium lord
315016 | Zig:5    | Noticed Jataumm the pandemonium lord
315016 | Zig:5    | Noticed Ysunippa the pandemonium lord
315016 | Zig:5    | Noticed Luotux the pandemonium lord
315016 | Zig:5    | Noticed Meppuegh the pandemonium lord
315016 | Zig:5    | Noticed Beuhuew the pandemonium lord
315016 | Zig:5    | Noticed Visucele the pandemonium lord
315016 | Zig:5    | Noticed Peevoyva the pandemonium lord
315016 | Zig:5    | Noticed Totynkith the pandemonium lord
315016 | Zig:5    | Noticed Ennicle the pandemonium lord
315016 | Zig:5    | Noticed Acaicseu the pandemonium lord
315016 | Zig:5    | Noticed Siak the pandemonium lord
315016 | Zig:5    | Noticed Hequbb the pandemonium lord
315016 | Zig:5    | Noticed Geadghadd the pandemonium lord
315016 | Zig:5    | Noticed Huavvaod the pandemonium lord
315016 | Zig:5    | Noticed Geuxzoto the pandemonium lord
315016 | Zig:5    | Noticed Ciasukha the pandemonium lord
315016 | Zig:5    | Noticed Temyveum the pandemonium lord
315017 | Zig:5    | Killed Beuhuew the pandemonium lord
315017 | Zig:5    | Noticed Juoso the pandemonium lord
315017 | Zig:5    | Noticed Onahit the pandemonium lord
315018 | Zig:5    | Noticed Toat Ack the pandemonium lord
315019 | Zig:5    | Killed Geuxzoto the pandemonium lord
315019 | Zig:5    | Killed Geesa the pandemonium lord
315019 | Zig:5    | Killed Jataumm the pandemonium lord
315019 | Zig:5    | Killed Peevoyva the pandemonium lord
315019 | Zig:5    | Noticed Gyilu the pandemonium lord
315019 | Zig:5    | Noticed Ihuad the pandemonium lord
315020 | Zig:5    | Killed Temyveum the pandemonium lord
315020 | Zig:5    | Killed Hequbb the pandemonium lord
315020 | Zig:5    | Killed Meppuegh the pandemonium lord
315020 | Zig:5    | Killed Xalo the pandemonium lord
315020 | Zig:5    | Killed Luotux the pandemonium lord
315020 | Zig:5    | Killed Huavvaod the pandemonium lord
315020 | Zig:5    | Killed Siak the pandemonium lord
315020 | Zig:5    | Killed Gyilu the pandemonium lord
315020 | Zig:5    | Killed Ennicle the pandemonium lord
315020 | Zig:5    | Killed Ciasukha the pandemonium lord
315021 | Zig:5    | Noticed Gibievau the pandemonium lord
315021 | Zig:5    | Noticed Veovubu the pandemonium lord
315022 | Zig:5    | Killed Totynkith the pandemonium lord
315022 | Zig:5    | Killed Acaicseu the pandemonium lord
315023 | Zig:5    | Killed Onahit the pandemonium lord
315023 | Zig:5    | Killed Geadghadd the pandemonium lord
315023 | Zig:5    | Killed Juoso the pandemonium lord
315023 | Zig:5    | Killed Veovubu the pandemonium lord
315023 | Zig:5    | Killed Toat Ack the pandemonium lord
315023 | Zig:5    | Noticed Bocuaboe the pandemonium lord
315024 | Zig:5    | Killed Gibievau the pandemonium lord
315025 | Zig:5    | Killed Ihuad the pandemonium lord
315026 | Zig:5    | Killed Bocuaboe the pandemonium lord
315026 | Zig:5    | Killed Visucele the pandemonium lord
315026 | Zig:5    | Killed Ysunippa the pandemonium lord
315081 | Zig:5    | Identified the staff of Gekiataj {rCorr Dex+5 Stlth- Conj
                  | Earth}
315206 | Zig:6    | Entered Level 6 of a ziggurat
315471 | Zig:6    | Identified the +1 eudemon blade "Jung" {holy, Int+3}
315531 | Zig:7    | Entered Level 7 of a ziggurat
315578 | Zig:7    | Identified the ring "Cinwuej" {*Corrode rN+ Int+6 Dex+4
                  | Stlth+}
315587 | Zig:7    | Identified the +0 ring mail "Vewakharu" {Str+4 Int-5}
315612 | Zig:7    | Identified the +4 war axe "Gaonudin" {venom, rN+ Str+3
                  | Int-4 Stlth+}
315837 | Zig:8    | Entered Level 8 of a ziggurat
316183 | Zig:8    | Identified the amulet of Linearity {RegenMP Regen+}
316185 | Zig:8    | Identified the +1 ring mail of Sutwear {rElec rF+}
316230 | Zig:9    | Entered Level 9 of a ziggurat
316257 | Zig:9    | Identified the +0 pair of gloves "Erekk" {rCorr}
316272 | Zig:9    | Identified the +1 ring mail of the Boiling Point {rPois
                  | rC++}
316276 | Zig:9    | Identified the +1 dagger "Orb Guardian's Doom" {flame,
                  | Will++}
316278 | Zig:9    | Identified the +10 triple sword "Beceuheb" {freeze, rF-
                  | MP+9 Str+2 Int+9}
316614 | Zig:10   | Entered Level 10 of a ziggurat
317054 | Zig:10   | Identified the +10 spear of Jeuza {heavy, Str+4 Stlth+}
317060 | Zig:10   | Identified the +8 war axe of Eternal Harmony {freeze, rN+
                  | rCorr Str-2}
317071 | Zig:10   | Identified the +6 rapier "Gujucvo" {freeze, ^Drain rC+++
                  | Str+3 Int+2}
317123 | Zig:11   | Entered Level 11 of a ziggurat
317143 | Zig:11   | Noticed Tegrallu the pandemonium lord
317145 | Zig:11   | Killed Tegrallu the pandemonium lord
317199 | Zig:11   | Identified the +0 ice dragon scales of Daffodils {Fly rF-
                  | rC++ rN+ Slay+2}
317212 | Zig:11   | Identified the +7 hand cannon of Sloth {heavy, rCorr}
317219 | Zig:11   | Identified the death talisman of Ylong {rF+ rC+ Dex+7}
317234 | Zig:11   | Identified the ring "Latrev" {rPois rF+++ Int+3 Slay-4}
317613 | Zig:12   | Entered Level 12 of a ziggurat
317647 | Zig:12   | Found the +5 robe of Misfortune {Harm *Corrode *Slow EV+5}
318030 | Zig:12   | Identified the staff of the Carved God {rPois rC+ rCorr
                  | Fire Earth}
318032 | Zig:12   | Identified the staff of Datz {rF+++ rN+ Will- Earth}
318112 | Zig:13   | Entered Level 13 of a ziggurat
318154 | Zig:13   | Killed a starcursed mass
318154 | Zig:13   | Killed a starcursed mass
318217 | Zig:13   | Identified the +5 war axe "Ziggenos" {venom, ^Fragile rElec
                  | rF+ rN++}
318221 | Zig:13   | Identified the +8 short sword of Courage {drain, Str+3
                  | Dex+4}
318222 | Zig:13   | Identified the +4 trident of the Hawk {heavy, Fly rPois
                  | Str+6 Dex-5}
318285 | Zig:13   | Identified the +8 broad axe "Myvueng" {vamp, rPois rN+
                  | Will+ Int-3}
318286 | Zig:13   | Identified the ring of Arronyrph {Fire rElec rPois Int+2}
318715 | Zig:14   | Entered Level 14 of a ziggurat
318722 | Zig:14   | Paralysed by an air elemental for 1 turns
318761 | Zig:14   | Identified the +1 robe of Wuynoci {rPois}
319248 | Zig:14   | Identified the +1 pair of gloves "Trusted Companion" {Str+2
                  | Int+2 Dex+3}
319301 | Zig:14   | Identified the +6 morningstar of the Exiled Dreams {holy,
                  | *Slow rF+ Dex+4 Stlth+}
319312 | Zig:14   | Identified the +5 quarterstaff of Kizac {antimagic, rCorr
                  | SInv}
319313 | Zig:14   | Identified the ring of the Failed Coup {rF- Will+ Str+7}
319324 | Zig:14   | Identified the ring of Makhleb's Grace {rPois rF++ Int-2}
319414 | Zig:15   | Entered Level 15 of a ziggurat
320087 | Zig:16   | Entered Level 16 of a ziggurat
320791 | Zig:16   | Identified the +10 plate armour "Zyinun" {Will+ rCorr
                  | Dex+3}
320863 | Zig:16   | Identified the staff of Hidejos {^Fragile rElec rPois Int-2
                  | Fire Air}
320864 | Zig:16   | Identified the +8 hand axe "Guulieh" {flame, *Rage *Noise
                  | +Blink rCorr}
320865 | Zig:16   | Identified the ring of Oddak {rN+ Slay+2}
320877 | Zig:16   | Identified the +4 mace of the Lost Interlopers {heavy,
                  | rPois rC+}
320887 | Zig:16   | Identified the +1 dagger "Cagisch" {pain, rElec rF+}
320964 | Zig:17   | Entered Level 17 of a ziggurat
320964 | Zig:17   | Noticed a dread lich
320964 | Zig:17   | Noticed a dread lich
320964 | Zig:17   | Noticed an ancient lich
320964 | Zig:17   | Noticed a dread lich
320964 | Zig:17   | Noticed a dread lich
320964 | Zig:17   | Noticed a dread lich
320964 | Zig:17   | Noticed an ancient lich
320964 | Zig:17   | Noticed a dread lich
320964 | Zig:17   | Noticed a dread lich
320964 | Zig:17   | Noticed a dread lich
320964 | Zig:17   | Noticed an ancient lich
320964 | Zig:17   | Noticed a dread lich
320964 | Zig:17   | Noticed an ancient lich
320964 | Zig:17   | Noticed a dread lich
320964 | Zig:17   | Noticed a dread lich
320964 | Zig:17   | Noticed an ancient lich
320964 | Zig:17   | Noticed an ancient lich
320964 | Zig:17   | Noticed an ancient lich
320964 | Zig:17   | Noticed an ancient lich
320964 | Zig:17   | Noticed a dread lich
320964 | Zig:17   | Noticed an ancient lich
320964 | Zig:17   | Noticed an ancient lich
320964 | Zig:17   | Noticed a dread lich
320964 | Zig:17   | Noticed an ancient lich
320964 | Zig:17   | Noticed an ancient lich
320964 | Zig:17   | Noticed an ancient lich
320964 | Zig:17   | Noticed a dread lich
320964 | Zig:17   | Noticed an ancient lich
320964 | Zig:17   | Noticed an ancient lich
320964 | Zig:17   | Noticed a dread lich
320964 | Zig:17   | Noticed a dread lich
320964 | Zig:17   | Noticed an ancient lich
320964 | Zig:17   | Noticed an ancient lich
320964 | Zig:17   | Noticed a dread lich
320964 | Zig:17   | Noticed a dread lich
320964 | Zig:17   | Noticed a dread lich
320964 | Zig:17   | Noticed a dread lich
320964 | Zig:17   | Noticed a dread lich
320965 | Zig:17   | Killed a dread lich
320965 | Zig:17   | Killed a dread lich
320965 | Zig:17   | Killed a dread lich
320965 | Zig:17   | Killed an ancient lich
320965 | Zig:17   | Killed an ancient lich
320965 | Zig:17   | Killed an ancient lich
320965 | Zig:17   | Killed a dread lich
320965 | Zig:17   | Killed a dread lich
320965 | Zig:17   | Killed a dread lich
320965 | Zig:17   | Killed an ancient lich
320965 | Zig:17   | Killed a dread lich
320966 | Zig:17   | Killed a dread lich
320966 | Zig:17   | Killed an ancient lich
320966 | Zig:17   | Killed a dread lich
320966 | Zig:17   | Killed an ancient lich
320966 | Zig:17   | Killed a dread lich
320966 | Zig:17   | Killed an ancient lich
320966 | Zig:17   | Killed an ancient lich
320966 | Zig:17   | Killed an ancient lich
320966 | Zig:17   | Killed an ancient lich
320966 | Zig:17   | Killed an ancient lich
320966 | Zig:17   | Killed an ancient lich
320966 | Zig:17   | Killed a dread lich
320966 | Zig:17   | Killed a dread lich
320966 | Zig:17   | Killed a dread lich
320966 | Zig:17   | Killed a dread lich
320966 | Zig:17   | Killed an ancient lich
320966 | Zig:17   | Killed a dread lich
320966 | Zig:17   | Killed an ancient lich
320966 | Zig:17   | Killed a dread lich
320966 | Zig:17   | Killed an ancient lich
320966 | Zig:17   | Killed a dread lich
320966 | Zig:17   | Killed a dread lich
320966 | Zig:17   | Killed an ancient lich
320966 | Zig:17   | Killed a dread lich
320966 | Zig:17   | Killed a dread lich
320966 | Zig:17   | Killed a dread lich
320966 | Zig:17   | Noticed a dread lich
320966 | Zig:17   | Noticed a dread lich
320966 | Zig:17   | Noticed an ancient lich
320966 | Zig:17   | Noticed a dread lich
320966 | Zig:17   | Noticed an ancient lich
320966 | Zig:17   | Noticed a dread lich
320966 | Zig:17   | Noticed a dread lich
320966 | Zig:17   | Noticed an ancient lich
320967 | Zig:17   | Noticed an ancient lich
320967 | Zig:17   | Killed an ancient lich
320967 | Zig:17   | Killed an ancient lich
320967 | Zig:17   | Killed an ancient lich
320967 | Zig:17   | Killed an ancient lich
320967 | Zig:17   | Killed a dread lich
320967 | Zig:17   | Killed a dread lich
320967 | Zig:17   | Noticed a dread lich
320967 | Zig:17   | Killed a dread lich
320967 | Zig:17   | Killed a dread lich
320967 | Zig:17   | Noticed an ancient lich
320967 | Zig:17   | Noticed a dread lich
320968 | Zig:17   | Noticed a dread lich
320968 | Zig:17   | Killed a dread lich
320968 | Zig:17   | Killed a dread lich
320968 | Zig:17   | Killed a dread lich
320968 | Zig:17   | Killed an ancient lich
320968 | Zig:17   | Killed an ancient lich
320969 | Zig:17   | Noticed an ancient lich
320970 | Zig:17   | Noticed an ancient lich
320970 | Zig:17   | Noticed an ancient lich
320970 | Zig:17   | Noticed a dread lich
320970 | Zig:17   | Noticed an ancient lich
320970 | Zig:17   | Noticed a dread lich
320970 | Zig:17   | Noticed a dread lich
320970 | Zig:17   | Noticed an ancient lich
320970 | Zig:17   | Killed a dread lich
320971 | Zig:17   | Noticed a dread lich
320971 | Zig:17   | Killed a dread lich
320971 | Zig:17   | Killed an ancient lich
320971 | Zig:17   | Killed an ancient lich
320971 | Zig:17   | Killed an ancient lich
320971 | Zig:17   | Killed a dread lich
320971 | Zig:17   | Killed a dread lich
320972 | Zig:17   | Noticed a dread lich
320972 | Zig:17   | Noticed a dread lich
320972 | Zig:17   | Noticed a dread lich
320972 | Zig:17   | Noticed a dread lich
320972 | Zig:17   | Noticed an ancient lich
320972 | Zig:17   | Noticed a dread lich
320972 | Zig:17   | Killed an ancient lich
320972 | Zig:17   | Killed an ancient lich
320972 | Zig:17   | Noticed an ancient lich
320973 | Zig:17   | Noticed an ancient lich
320973 | Zig:17   | Killed an ancient lich
320973 | Zig:17   | Killed a dread lich
320973 | Zig:17   | Noticed an ancient lich
320973 | Zig:17   | Noticed an ancient lich
320973 | Zig:17   | Noticed a dread lich
320973 | Zig:17   | Killed an ancient lich
320974 | Zig:17   | Noticed an ancient lich
320974 | Zig:17   | Noticed an ancient lich
320974 | Zig:17   | Noticed a dread lich
320974 | Zig:17   | Noticed a dread lich
320974 | Zig:17   | Killed a dread lich
320975 | Zig:17   | Killed a dread lich
320975 | Zig:17   | Killed a dread lich
320975 | Zig:17   | Killed a dread lich
320975 | Zig:17   | Killed an ancient lich
320975 | Zig:17   | Killed a dread lich
320975 | Zig:17   | Killed a dread lich
320975 | Zig:17   | Killed an ancient lich
320975 | Zig:17   | Killed an ancient lich
320975 | Zig:17   | Killed an ancient lich
320975 | Zig:17   | Killed a dread lich
320975 | Zig:17   | Noticed an ancient lich
320975 | Zig:17   | Noticed an ancient lich
320975 | Zig:17   | Noticed a dread lich
320976 | Zig:17   | Noticed an ancient lich
320976 | Zig:17   | Noticed a dread lich
320976 | Zig:17   | Noticed an ancient lich
320976 | Zig:17   | Noticed an ancient lich
320976 | Zig:17   | Killed a dread lich
320977 | Zig:17   | Noticed an ancient lich
320977 | Zig:17   | Noticed an ancient lich
320977 | Zig:17   | Noticed a dread lich
320977 | Zig:17   | Killed an ancient lich
320977 | Zig:17   | Killed an ancient lich
320978 | Zig:17   | Noticed an ancient lich
320978 | Zig:17   | Noticed a dread lich
320978 | Zig:17   | Noticed an ancient lich
320978 | Zig:17   | Noticed an ancient lich
320978 | Zig:17   | Killed a dread lich
320979 | Zig:17   | Noticed an ancient lich
320979 | Zig:17   | Killed an ancient lich
320979 | Zig:17   | Killed a dread lich
320979 | Zig:17   | Killed an ancient lich
320979 | Zig:17   | Killed an ancient lich
320979 | Zig:17   | Killed an ancient lich
320979 | Zig:17   | Killed an ancient lich
320979 | Zig:17   | Killed an ancient lich
320979 | Zig:17   | Killed an ancient lich
320979 | Zig:17   | Noticed a dread lich
320979 | Zig:17   | Noticed an ancient lich
320979 | Zig:17   | Noticed an ancient lich
320979 | Zig:17   | Noticed an ancient lich
320980 | Zig:17   | Killed a dread lich
320980 | Zig:17   | Killed an ancient lich
320980 | Zig:17   | Killed an ancient lich
320980 | Zig:17   | Killed a dread lich
320980 | Zig:17   | Killed an ancient lich
320980 | Zig:17   | Killed an ancient lich
320980 | Zig:17   | Killed an ancient lich
320980 | Zig:17   | Killed a dread lich
320980 | Zig:17   | Killed an ancient lich
320981 | Zig:17   | Noticed an ancient lich
320981 | Zig:17   | Noticed an ancient lich
320981 | Zig:17   | Noticed a dread lich
320981 | Zig:17   | Noticed an ancient lich
320981 | Zig:17   | Noticed an ancient lich
320981 | Zig:17   | Noticed an ancient lich
320981 | Zig:17   | Noticed a dread lich
320982 | Zig:17   | Killed an ancient lich
320982 | Zig:17   | Killed an ancient lich
320982 | Zig:17   | Killed an ancient lich
320982 | Zig:17   | Killed an ancient lich
320982 | Zig:17   | Noticed a dread lich
320983 | Zig:17   | Noticed a dread lich
320983 | Zig:17   | Noticed an ancient lich
320983 | Zig:17   | Noticed a dread lich
320983 | Zig:17   | Noticed a dread lich
320983 | Zig:17   | Noticed an ancient lich
320983 | Zig:17   | Noticed an ancient lich
320983 | Zig:17   | Killed an ancient lich
320984 | Zig:17   | Killed a dread lich
320984 | Zig:17   | Killed an ancient lich
320984 | Zig:17   | Killed an ancient lich
320984 | Zig:17   | Killed an ancient lich
320984 | Zig:17   | Noticed a dread lich
320984 | Zig:17   | Noticed an ancient lich
320984 | Zig:17   | Noticed an ancient lich
320984 | Zig:17   | Noticed a dread lich
320984 | Zig:17   | Noticed a dread lich
320984 | Zig:17   | Noticed an ancient lich
320984 | Zig:17   | Noticed an ancient lich
320985 | Zig:17   | Noticed a dread lich
320985 | Zig:17   | Noticed a dread lich
320985 | Zig:17   | Noticed a dread lich
320985 | Zig:17   | Noticed an ancient lich
320985 | Zig:17   | Noticed an ancient lich
320985 | Zig:17   | Noticed a dread lich
320985 | Zig:17   | Noticed an ancient lich
320985 | Zig:17   | Noticed a dread lich
320985 | Zig:17   | Killed a dread lich
320986 | Zig:17   | Noticed an ancient lich
320986 | Zig:17   | Noticed an ancient lich
320986 | Zig:17   | Killed a dread lich
320986 | Zig:17   | Killed a dread lich
320986 | Zig:17   | Killed an ancient lich
320986 | Zig:17   | Killed a dread lich
320986 | Zig:17   | Killed a dread lich
320986 | Zig:17   | Killed an ancient lich
320986 | Zig:17   | Killed an ancient lich
320986 | Zig:17   | Killed an ancient lich
320986 | Zig:17   | Killed a dread lich
320986 | Zig:17   | Killed a dread lich
320986 | Zig:17   | Killed a dread lich
320987 | Zig:17   | Killed a dread lich
320987 | Zig:17   | Killed a dread lich
320987 | Zig:17   | Killed an ancient lich
320987 | Zig:17   | Killed a dread lich
320987 | Zig:17   | Killed a dread lich
320987 | Zig:17   | Killed an ancient lich
320987 | Zig:17   | Killed an ancient lich
320987 | Zig:17   | Killed an ancient lich
320987 | Zig:17   | Killed an ancient lich
320987 | Zig:17   | Killed a dread lich
320987 | Zig:17   | Noticed an ancient lich
320987 | Zig:17   | Noticed a dread lich
320987 | Zig:17   | Noticed a dread lich
320988 | Zig:17   | Noticed an ancient lich
320988 | Zig:17   | Noticed a dread lich
320988 | Zig:17   | Noticed an ancient lich
320989 | Zig:17   | Noticed a dread lich
320989 | Zig:17   | Noticed an ancient lich
320989 | Zig:17   | Killed an ancient lich
320989 | Zig:17   | Killed an ancient lich
320989 | Zig:17   | Killed a dread lich
320989 | Zig:17   | Killed a dread lich
320990 | Zig:17   | Noticed an ancient lich
320990 | Zig:17   | Noticed a dread lich
320990 | Zig:17   | Noticed a dread lich
320990 | Zig:17   | Noticed an ancient lich
320991 | Zig:17   | Killed a dread lich
320991 | Zig:17   | Killed a dread lich
320991 | Zig:17   | Killed an ancient lich
320991 | Zig:17   | Noticed an ancient lich
320992 | Zig:17   | Noticed an ancient lich
320992 | Zig:17   | Noticed an ancient lich
320992 | Zig:17   | Noticed a dread lich
320992 | Zig:17   | Noticed an ancient lich
320992 | Zig:17   | Noticed a dread lich
320992 | Zig:17   | Noticed a dread lich
320992 | Zig:17   | Noticed a dread lich
320992 | Zig:17   | Noticed an ancient lich
320993 | Zig:17   | Killed an ancient lich
320993 | Zig:17   | Killed a dread lich
320993 | Zig:17   | Killed an ancient lich
320993 | Zig:17   | Killed an ancient lich
320993 | Zig:17   | Killed a dread lich
320993 | Zig:17   | Killed an ancient lich
320993 | Zig:17   | Killed an ancient lich
320993 | Zig:17   | Killed a dread lich
320993 | Zig:17   | Killed an ancient lich
320993 | Zig:17   | Killed an ancient lich
320993 | Zig:17   | Killed a dread lich
320994 | Zig:17   | Killed an ancient lich
320994 | Zig:17   | Killed a dread lich
320994 | Zig:17   | Killed a dread lich
320994 | Zig:17   | Noticed an ancient lich
320995 | Zig:17   | Noticed a dread lich
320995 | Zig:17   | Noticed an ancient lich
320995 | Zig:17   | Noticed an ancient lich
320995 | Zig:17   | Noticed a dread lich
320995 | Zig:17   | Killed a dread lich
320996 | Zig:17   | Killed an ancient lich
320996 | Zig:17   | Noticed a dread lich
320997 | Zig:17   | Noticed an ancient lich
320997 | Zig:17   | Noticed a dread lich
320998 | Zig:17   | Killed an ancient lich
320998 | Zig:17   | Killed a dread lich
320998 | Zig:17   | Killed a dread lich
320998 | Zig:17   | Killed an ancient lich
320998 | Zig:17   | Killed a dread lich
320999 | Zig:17   | Noticed a dread lich
320999 | Zig:17   | Killed a dread lich
321000 | Zig:17   | Noticed an ancient lich
321000 | Zig:17   | Killed an ancient lich
321000 | Zig:17   | Noticed an ancient lich
321001 | Zig:17   | Noticed an ancient lich
321001 | Zig:17   | Noticed an ancient lich
321002 | Zig:17   | Killed a dread lich
321002 | Zig:17   | Killed an ancient lich
321003 | Zig:17   | Killed an ancient lich
321004 | Zig:17   | Killed an ancient lich
321004 | Zig:17   | Killed an ancient lich
321041 | Zig:17   | Identified the +4 scale mail of the Saviour {rF+ Regen+
                  | SInv Stlth+}
321059 | Zig:17   | Identified the +0 buckler of Hide-and-Seek {Rampage MP-9
                  | SInv}
321060 | Zig:17   | Identified the ring of Peace {Str+6 Int+5 Dex+4}
321062 | Zig:17   | Identified the +7 kite shield "Mileiw" {rF+ Dex+3 SInv}
321114 | Zig:17   | Identified the +10 shortbow of Karma {speed, rF+++ Will-
                  | Int+4 Dex-2}
321753 | Zig:18   | Entered Level 18 of a ziggurat
321753 | Zig:18   | Noticed an ancient lich
321754 | Zig:18   | Killed an ancient lich
321762 | Zig:18   | Noticed an ancient lich
321764 | Zig:18   | Killed an ancient lich
321900 | Zig:18   | Identified the +4 falchion of Qazlal's Displeasure {holy,
                  | ^Fragile rPois rF- rN+++}
321903 | Zig:18   | Identified the +6 sling "Coot Seg" {freeze, rElec rN++
                  | Str-2 Stlth+}
321908 | Zig:18   | Identified the staff "Tuxukk" {rPois rF+++ Will++ rCorr
                  | Dex-5 Alchemy}
321910 | Zig:18   | Identified the ring "Ulijoar" {Fire Fly rElec rPois Int+4}
322478 | Zig:18   | Identified the +0 plate armour "Put-Me-On" {Dex+3}
322492 | Zig:19   | Entered Level 19 of a ziggurat
322492 | Zig:19   | Noticed a seraph
322492 | Zig:19   | Noticed a seraph
322492 | Zig:19   | Noticed a seraph
322492 | Zig:19   | Noticed a seraph
322492 | Zig:19   | Noticed a seraph
322492 | Zig:19   | Identified the +5 tower shield of Zaxyoz {Fly rPois SInv
                  | Stlth+}
322492 | Zig:19   | Identified the +6 tower shield of the Meager God {Str+3}
322492 | Zig:19   | Identified the +6 tower shield of Patience {Will+}
322492 | Zig:19   | Noticed a seraph
322492 | Zig:19   | Identified the +3 tower shield of the Shoals {rPois rN+
                  | Int+3}
322492 | Zig:19   | Noticed a seraph
322492 | Zig:19   | Noticed a seraph
322492 | Zig:19   | Noticed a seraph
322492 | Zig:19   | Noticed a seraph
322492 | Zig:19   | Identified the +6 tower shield of Broken Taboos {rN+ Str-3
                  | Int+2}
322495 | Zig:19   | Noticed a seraph
322495 | Zig:19   | Killed a seraph
322495 | Zig:19   | Noticed a seraph
322496 | Zig:19   | Killed a seraph
322496 | Zig:19   | Killed a seraph
322497 | Zig:19   | Identified the +7 tower shield of Death Resistance {rElec
                  | rPois rF- rN++}
322498 | Zig:19   | Killed a seraph
322499 | Zig:19   | Killed a seraph
322500 | Zig:19   | Killed a seraph
322500 | Zig:19   | Killed a seraph
322500 | Zig:19   | Killed a seraph
322500 | Zig:19   | Killed a seraph
322501 | Zig:19   | Killed a seraph
322503 | Zig:19   | Killed a seraph
322503 | Zig:19   | Noticed a seraph
322504 | Zig:19   | Noticed a seraph
322505 | Zig:19   | Noticed a seraph
322505 | Zig:19   | Identified the +12 tower shield of Grand Contentment
                  | {*Corrode rF+ rN+}
322506 | Zig:19   | Killed a seraph
322507 | Zig:19   | Noticed a seraph
322507 | Zig:19   | Noticed a seraph
322509 | Zig:19   | Killed a seraph
322509 | Zig:19   | Killed a seraph
322509 | Zig:19   | Killed a seraph
322509 | Zig:19   | Noticed a seraph
322509 | Zig:19   | Noticed a seraph
322510 | Zig:19   | Noticed a seraph
322510 | Zig:19   | Noticed a seraph
322511 | Zig:19   | Noticed a seraph
322512 | Zig:19   | Killed a seraph
322512 | Zig:19   | Killed a seraph
322513 | Zig:19   | Noticed a seraph
322513 | Zig:19   | Killed a seraph
322513 | Zig:19   | Noticed a seraph
322514 | Zig:19   | Killed a seraph
322515 | Zig:19   | Killed a seraph
322515 | Zig:19   | Killed a seraph
322517 | Zig:19   | Noticed a seraph
322518 | Zig:19   | Killed a seraph
322518 | Zig:19   | Killed a seraph
322519 | Zig:19   | Killed a seraph
322521 | Zig:19   | Killed a seraph
322521 | Zig:19   | Killed a seraph
322521 | Zig:19   | Killed a seraph
322521 | Zig:19   | Noticed a seraph
322522 | Zig:19   | Noticed a seraph
322522 | Zig:19   | Noticed a seraph
322523 | Zig:19   | Noticed a seraph
322524 | Zig:19   | Killed a seraph
322524 | Zig:19   | Noticed a seraph
322525 | Zig:19   | Killed a seraph
322525 | Zig:19   | Noticed a seraph
322525 | Zig:19   | Noticed a seraph
322525 | Zig:19   | Noticed a seraph
322525 | Zig:19   | Noticed a seraph
322526 | Zig:19   | Killed a seraph
322526 | Zig:19   | Noticed a seraph
322527 | Zig:19   | Killed a seraph
322527 | Zig:19   | Killed a seraph
322527 | Zig:19   | Noticed a seraph
322528 | Zig:19   | Killed a seraph
322529 | Zig:19   | Killed a seraph
322529 | Zig:19   | Killed a seraph
322531 | Zig:19   | Killed a seraph
322531 | Zig:19   | Noticed a seraph
322532 | Zig:19   | Killed a seraph
322532 | Zig:19   | Killed a seraph
322534 | Zig:19   | Noticed a seraph
322534 | Zig:19   | Killed a seraph
322538 | Zig:19   | Noticed a seraph
322539 | Zig:19   | Noticed a seraph
322539 | Zig:19   | Noticed a seraph
322539 | Zig:19   | Noticed a seraph
322540 | Zig:19   | Killed a seraph
322540 | Zig:19   | Killed a seraph
322542 | Zig:19   | Killed a seraph
322542 | Zig:19   | Killed a seraph
322542 | Zig:19   | Noticed a seraph
322542 | Zig:19   | Noticed a seraph
322543 | Zig:19   | Killed a seraph
322543 | Zig:19   | Killed a seraph
322544 | Zig:19   | Noticed a seraph
322545 | Zig:19   | Killed a seraph
322546 | Zig:19   | Killed a seraph
322546 | Zig:19   | Killed a seraph
322560 | Zig:19   | Noticed a seraph
322563 | Zig:19   | Killed a seraph
322563 | Zig:19   | Noticed a seraph
322566 | Zig:19   | Noticed a seraph
322569 | Zig:19   | Killed a seraph
322572 | Zig:19   | Killed a seraph
322575 | Zig:19   | Identified the +0 tower shield of Entitlement {Dex+2 SInv}
322585 | Zig:19   | Identified the -1 buckler of the Sacrificial Victim {Int+3}
322595 | Zig:19   | Identified the +8 tower shield of Biytex {rPois Will- Str+3
                  | SInv}
322596 | Zig:19   | Identified the +3 tower shield "Ithrug" {Int+2}
322606 | Zig:19   | Identified the +0 tower shield "Uwiavaof" {Dex+4}
322608 | Zig:19   | Identified the +0 tower shield "Xuttu" {Fly}
322608 | Zig:19   | Identified the +0 buckler "Pigieck" {rF++}
322617 | Zig:19   | Identified the +1 buckler "Nupheh" {Harm}
323015 | Zig:19   | Identified the amulet "Nyolusch" {RegenMP rPois rF+ Str-3}
323021 | Zig:19   | Identified the ring "Xekas" {Fly rF+ Str+4 Stlth+}
323036 | Zig:19   | Identified the +2 robe "Ymorogg" {rPois rF- Dex+5}
323039 | Zig:19   | Identified the +9 dagger "Zudog" {freeze, rPois rCorr
                  | Int-4}
323043 | Zig:19   | Identified the +9 ring mail of Vehumet's Grace {+Inv rC-
                  | Regen+ SInv}
323044 | Zig:19   | Identified the ring "Wekkial" {Wiz rN+}
323046 | Zig:19   | Identified the +2 shortbow "Rimimy" {antimagic, rF+}
323050 | Zig:19   | Identified the staff of the Foremost Knives {rPois rC+
                  | Dex+3 Ice}
323064 | Zig:19   | Identified the staff "Usuysch" {rF+ Fire Earth}
323094 | Zig:19   | Identified the staff of the Vestibule of Hell {rElec rN+
                  | Str+4 Air}
323097 | Zig:19   | Identified the ring of Cosmas {*Corrode rElec rPois rF+
                  | Str+2}
323117 | Zig:19   | Identified the staff of Leuboin {rPois rN+ Str+4 Int+4
                  | Dex-4 Alchemy}
323159 | Zig:20   | Entered Level 20 of a ziggurat
323159 | Zig:20   | Noticed an ancient lich
323159 | Zig:20   | Noticed an ancient lich
323159 | Zig:20   | Noticed a dread lich
323159 | Zig:20   | Noticed an ancient lich
323159 | Zig:20   | Noticed a dread lich
323159 | Zig:20   | Noticed an ancient lich
323159 | Zig:20   | Noticed a dread lich
323159 | Zig:20   | Noticed an ancient lich
323159 | Zig:20   | Noticed a dread lich
323159 | Zig:20   | Noticed a dread lich
323159 | Zig:20   | Noticed a dread lich
323159 | Zig:20   | Noticed an ancient lich
323160 | Zig:20   | Killed an ancient lich
323160 | Zig:20   | Killed a dread lich
323160 | Zig:20   | Killed an ancient lich
323160 | Zig:20   | Killed an ancient lich
323160 | Zig:20   | Killed a dread lich
323160 | Zig:20   | Killed a dread lich
323160 | Zig:20   | Killed an ancient lich
323160 | Zig:20   | Killed an ancient lich
323161 | Zig:20   | Killed a dread lich
323161 | Zig:20   | Killed a dread lich
323161 | Zig:20   | Killed an ancient lich
323161 | Zig:20   | Killed a dread lich
323161 | Zig:20   | Noticed a dread lich
323162 | Zig:20   | Killed a dread lich
323162 | Zig:20   | Noticed a dread lich
323162 | Zig:20   | Noticed an ancient lich
323163 | Zig:20   | Killed an ancient lich
323164 | Zig:20   | Killed a dread lich
323164 | Zig:20   | Noticed a dread lich
323166 | Zig:20   | Noticed an ancient lich
323166 | Zig:20   | Noticed an ancient lich
323166 | Zig:20   | Noticed a dread lich
323166 | Zig:20   | Killed an ancient lich
323167 | Zig:20   | Noticed an ancient lich
323167 | Zig:20   | Noticed an ancient lich
323167 | Zig:20   | Noticed an ancient lich
323167 | Zig:20   | Noticed an ancient lich
323167 | Zig:20   | Noticed a dread lich
323168 | Zig:20   | Noticed a dread lich
323168 | Zig:20   | Killed a dread lich
323168 | Zig:20   | Killed an ancient lich
323168 | Zig:20   | Killed a dread lich
323168 | Zig:20   | Killed a dread lich
323168 | Zig:20   | Killed an ancient lich
323168 | Zig:20   | Killed an ancient lich
323168 | Zig:20   | Killed an ancient lich
323169 | Zig:20   | Noticed a dread lich
323169 | Zig:20   | Noticed a dread lich
323170 | Zig:20   | Noticed a dread lich
323170 | Zig:20   | Killed a dread lich
323170 | Zig:20   | Killed an ancient lich
323170 | Zig:20   | Killed a dread lich
323170 | Zig:20   | Noticed an ancient lich
323170 | Zig:20   | Noticed an ancient lich
323171 | Zig:20   | Killed a dread lich
323171 | Zig:20   | Killed an ancient lich
323171 | Zig:20   | Noticed a dread lich
323172 | Zig:20   | Killed a dread lich
323172 | Zig:20   | Killed an ancient lich
323172 | Zig:20   | Noticed an ancient lich
323173 | Zig:20   | Noticed an ancient lich
323173 | Zig:20   | Noticed a dread lich
323173 | Zig:20   | Noticed a dread lich
323173 | Zig:20   | Noticed an ancient lich
323174 | Zig:20   | Noticed an ancient lich
323174 | Zig:20   | Killed an ancient lich
323174 | Zig:20   | Killed an ancient lich
323174 | Zig:20   | Killed an ancient lich
323174 | Zig:20   | Killed a dread lich
323174 | Zig:20   | Killed an ancient lich
323174 | Zig:20   | Noticed an ancient lich
323175 | Zig:20   | Killed a dread lich
323175 | Zig:20   | Killed a dread lich
323175 | Zig:20   | Killed an ancient lich
323176 | Zig:20   | Noticed an ancient lich
323177 | Zig:20   | Noticed an ancient lich
323177 | Zig:20   | Noticed an ancient lich
323177 | Zig:20   | Noticed a dread lich
323178 | Zig:20   | Noticed an ancient lich
323178 | Zig:20   | Killed a dread lich
323178 | Zig:20   | Killed an ancient lich
323179 | Zig:20   | Killed an ancient lich
323179 | Zig:20   | Killed an ancient lich
323179 | Zig:20   | Killed an ancient lich
323179 | Zig:20   | Noticed an ancient lich
323179 | Zig:20   | Noticed an ancient lich
323180 | Zig:20   | Noticed an ancient lich
323180 | Zig:20   | Noticed an ancient lich
323180 | Zig:20   | Noticed an ancient lich
323180 | Zig:20   | Noticed a dread lich
323181 | Zig:20   | Killed an ancient lich
323181 | Zig:20   | Killed an ancient lich
323181 | Zig:20   | Killed an ancient lich
323181 | Zig:20   | Noticed a dread lich
323181 | Zig:20   | Noticed a dread lich
323182 | Zig:20   | Killed an ancient lich
323182 | Zig:20   | Killed an ancient lich
323182 | Zig:20   | Killed a dread lich
323182 | Zig:20   | Killed a dread lich
323182 | Zig:20   | Noticed an ancient lich
323182 | Zig:20   | Noticed a dread lich
323183 | Zig:20   | Killed a dread lich
323183 | Zig:20   | Noticed an ancient lich
323184 | Zig:20   | Noticed an ancient lich
323184 | Zig:20   | Noticed a dread lich
323184 | Zig:20   | Killed an ancient lich
323184 | Zig:20   | Noticed an ancient lich
323184 | Zig:20   | Noticed a dread lich
323185 | Zig:20   | Noticed an ancient lich
323185 | Zig:20   | Killed an ancient lich
323185 | Zig:20   | Killed a dread lich
323185 | Zig:20   | Noticed a dread lich
323186 | Zig:20   | Killed a dread lich
323186 | Zig:20   | Killed an ancient lich
323186 | Zig:20   | Killed an ancient lich
323186 | Zig:20   | Killed a dread lich
323186 | Zig:20   | Killed an ancient lich
323187 | Zig:20   | Killed a dread lich
323187 | Zig:20   | Noticed an ancient lich
323187 | Zig:20   | Noticed an ancient lich
323187 | Zig:20   | Noticed a dread lich
323187 | Zig:20   | Noticed an ancient lich
323188 | Zig:20   | Noticed a dread lich
323189 | Zig:20   | Killed an ancient lich
323189 | Zig:20   | Killed an ancient lich
323189 | Zig:20   | Killed a dread lich
323189 | Zig:20   | Noticed an ancient lich
323190 | Zig:20   | Killed an ancient lich
323190 | Zig:20   | Killed a dread lich
323190 | Zig:20   | Noticed an ancient lich
323191 | Zig:20   | Noticed a dread lich
323191 | Zig:20   | Noticed a dread lich
323192 | Zig:20   | Noticed a dread lich
323192 | Zig:20   | Killed an ancient lich
323192 | Zig:20   | Killed an ancient lich
323193 | Zig:20   | Noticed a dread lich
323193 | Zig:20   | Killed a dread lich
323193 | Zig:20   | Killed a dread lich
323193 | Zig:20   | Killed a dread lich
323193 | Zig:20   | Killed a dread lich
323193 | Zig:20   | Noticed a dread lich
323194 | Zig:20   | Noticed a dread lich
323194 | Zig:20   | Noticed a dread lich
323194 | Zig:20   | Noticed an ancient lich
323194 | Zig:20   | Noticed a dread lich
323195 | Zig:20   | Killed a dread lich
323195 | Zig:20   | Killed an ancient lich
323195 | Zig:20   | Killed a dread lich
323195 | Zig:20   | Killed a dread lich
323196 | Zig:20   | Noticed a dread lich
323196 | Zig:20   | Noticed an ancient lich
323196 | Zig:20   | Noticed a dread lich
323196 | Zig:20   | Noticed an ancient lich
323197 | Zig:20   | Noticed a dread lich
323197 | Zig:20   | Killed a dread lich
323197 | Zig:20   | Killed an ancient lich
323197 | Zig:20   | Killed a dread lich
323197 | Zig:20   | Noticed a dread lich
323198 | Zig:20   | Killed a dread lich
323198 | Zig:20   | Killed an ancient lich
323198 | Zig:20   | Killed a dread lich
323198 | Zig:20   | Noticed an ancient lich
323199 | Zig:20   | Noticed a dread lich
323200 | Zig:20   | Killed a dread lich
323200 | Zig:20   | Noticed a dread lich
323201 | Zig:20   | Noticed an ancient lich
323201 | Zig:20   | Noticed an ancient lich
323202 | Zig:20   | Noticed a dread lich
323202 | Zig:20   | Noticed an ancient lich
323202 | Zig:20   | Noticed an ancient lich
323202 | Zig:20   | Noticed a dread lich
323203 | Zig:20   | Killed a dread lich
323203 | Zig:20   | Killed a dread lich
323203 | Zig:20   | Killed a dread lich
323203 | Zig:20   | Killed an ancient lich
323203 | Zig:20   | Killed a dread lich
323204 | Zig:20   | Killed an ancient lich
323204 | Zig:20   | Killed an ancient lich
323204 | Zig:20   | Killed an ancient lich
323204 | Zig:20   | Killed an ancient lich
323205 | Zig:20   | Noticed a dread lich
323205 | Zig:20   | Noticed an ancient lich
323205 | Zig:20   | Noticed an ancient lich
323206 | Zig:20   | Killed an ancient lich
323207 | Zig:20   | Killed a dread lich
323207 | Zig:20   | Killed an ancient lich
323207 | Zig:20   | Noticed an ancient lich
323209 | Zig:20   | Noticed a dread lich
323209 | Zig:20   | Noticed a dread lich
323209 | Zig:20   | Noticed a dread lich
323210 | Zig:20   | Killed an ancient lich
323210 | Zig:20   | Killed a dread lich
323210 | Zig:20   | Killed a dread lich
323210 | Zig:20   | Killed a dread lich
323210 | Zig:20   | Noticed an ancient lich
323211 | Zig:20   | Noticed a dread lich
323212 | Zig:20   | Killed an ancient lich
323212 | Zig:20   | Killed a dread lich
323212 | Zig:20   | Noticed a dread lich
323213 | Zig:20   | Killed a dread lich
323220 | Zig:20   | Noticed a dread lich
323220 | Zig:20   | Noticed an ancient lich
323220 | Zig:20   | Noticed a dread lich
323221 | Zig:20   | Killed an ancient lich
323221 | Zig:20   | Killed a dread lich
323222 | Zig:20   | Killed a dread lich
323247 | Zig:20   | Identified the +2 helmet of Beogh's Righteous Fury {rPois
                  | Dex+3}
323893 | Zig:20   | Identified the staff of Erirema {Fly rPois rF- rCorr Necro
                  | Alchemy}
323894 | Zig:20   | Identified the +9 spear "Loiwac" {freeze, rPois Will+ Str-4
                  | Int+3}
323895 | Zig:20   | Identified the +1 robe of Makhleb's Reproof {Will+}
323900 | Zig:20   | Identified the +3 arbalest of Fedhas, Cursing {heavy, Will+
                  | Int-5 Stlth+}
323935 | Zig:20   | Identified the amulet "Poenwy" {Spirit Regen+}
323939 | Zig:20   | Identified the +7 scimitar "Dragon's Demise" {protect, rF+
                  | Int+8}
323944 | Zig:20   | Identified the amulet "Anoxuq" {+Inv Regen+ MP+9}
323946 | Zig:20   | Identified the +1 robe of the Lost Path {rF+ rC+ Dex+2}
323949 | Zig:20   | Identified the +9 arbalest "Facsedao" {antimagic, rC+}
323953 | Zig:20   | Identified the ring "Dujot" {rC- rN+ EV+5 Str+2 SInv}
323955 | Zig:20   | Identified the +1 trident of Xetuo {flame, Str+2 Stlth+}
323958 | Zig:20   | Identified the +1 battleaxe of Disu {flame, Str+3}
323959 | Zig:20   | Identified the staff "Jellyslayer" {rElec Str+4 Dex+2 Air
                  | Alchemy}
323966 | Zig:20   | Identified the ring "Cuunoemo" {Fly rElec rPois Str+3
                  | Int-2}
324054 | Zig:21   | Entered Level 21 of a ziggurat
324196 | Zig:21   | Identified the ring "Senezast" {Str+3 SInv}
324198 | Zig:21   | Identified the +0 plate armour of Tartarus {rC++ rCorr}
324203 | Zig:21   | Identified the +1 ring mail of Dicheod {Stlth+}
324204 | Zig:21   | Identified the +0 ring mail of Elyvilon, Writhing {Str+5}
324207 | Zig:21   | Identified the +1 dire flail "Uzuorao" {heavy, Str+2}
324217 | Zig:21   | Identified the staff "Ykkyudo" {rElec rF+ Int+3 Fire}
324218 | Zig:21   | Identified the +4 dagger "Sacheuv" {heavy, rPois}
324239 | Zig:21   | Identified the +7 short sword "Beastslayer" {chaos, MP+9}
324240 | Zig:21   | Identified the +8 hand axe of Callousness {freeze, rElec
                  | Dex+3}
324245 | Zig:21   | Identified the ring of the Burgomaster {rElec rPois rF-
                  | Int+6 Slay+5}
324247 | Zig:21   | Identified the ring "Ucyomn Imast" {rN+ rCorr Str+3 Dex+2
                  | Stlth+}
324251 | Zig:21   | Identified the ring "Irirourubu" {rF+ Will+ AC+4 Int-2}
324256 | Zig:21   | Identified the ring of Ujumauj {Ice ^Drain rN+++ rCorr
                  | Int-3}
324276 | Zig:21   | Identified the +1 plate armour of Virtue {Str+5 Int-5}
324281 | Zig:21   | Identified the +3 broad axe "Udaeh" {heavy, rC+ rCorr
                  | Dex+2}
324767 | Zig:22   | Entered Level 22 of a ziggurat
324842 | Zig:22   | Identified the +3 quarterstaff of the Tundras {elec, rF+
                  | Will++ Int-2 Dex+3}
324868 | Zig:22   | Identified the +4 chain mail "Yqapsal" {Dex+5}
324872 | Zig:22   | Identified the +1 morningstar "Nyrusk" {elec, rCorr}
324875 | Zig:22   | Identified the staff "Giantslayer" {rElec Will++ Dex-5
                  | Stlth+ Air Earth}
325459 | Zig:22   | Identified the +4 chain mail of the Viny God {rN+++ MP+9
                  | Dex+3 Stlth+}
325460 | Zig:22   | Identified the ring "Hekhitre" {rC+ Will+ MP-9 Str+5
                  | Stlth+}
325469 | Zig:22   | Identified the ring of Binamp {rElec rC+ rCorr Str+6}
325477 | Zig:22   | Identified the +0 leather armour "Baps" {rF+ rN+ Will-
                  | Int+3}
325485 | Zig:22   | Identified the +4 ring mail of the Ward {Stlth+}
325486 | Zig:22   | Identified the +2 halberd of Springtime {flame, rPois rC+
                  | rCorr}
325487 | Zig:22   | Identified the +1 pair of boots of the Antique Hot Ocelot
                  | {Harm *Slow rC+ rN++}
325494 | Zig:22   | Identified the +4 chain mail of the Skies Above {rF+ Regen+
                  | Dex+4}
325496 | Zig:22   | Identified the ring of Eternal Harmony {Fire rPois Int+3
                  | Stlth+}
325501 | Zig:22   | Identified the +5 helmet of Fuzzy Satisfaction {+Blink
                  | rCorr Slay+2}
325552 | Zig:22   | Identified the ring of Bon Vab {Fly rN+ Will+ Int+3 Dex+3}
325576 | Zig:22   | Identified the +9 flail of Uskayaw, Thieving {speed, Str+4}
325690 | Zig:23   | Entered Level 23 of a ziggurat
325690 | Zig:23   | Noticed Fuodgh the pandemonium lord
325690 | Zig:23   | Noticed Deoc the pandemonium lord
325690 | Zig:23   | Noticed Caf Qeom the pandemonium lord
325690 | Zig:23   | Noticed Rokaib the pandemonium lord
325690 | Zig:23   | Noticed Axzucan the pandemonium lord
325690 | Zig:23   | Noticed Juedwaji the pandemonium lord
325690 | Zig:23   | Noticed Ciukhle the pandemonium lord
325690 | Zig:23   | Noticed Haimigh the pandemonium lord
325690 | Zig:23   | Noticed Zefefedgho the pandemonium lord
325690 | Zig:23   | Noticed Imuapseblo the pandemonium lord
325690 | Zig:23   | Noticed Gimumm the pandemonium lord
325690 | Zig:23   | Noticed Zoohul the pandemonium lord
325690 | Zig:23   | Noticed Rodeic the pandemonium lord
325690 | Zig:23   | Noticed Xeytuis the pandemonium lord
325690 | Zig:23   | Noticed Ytzeor the pandemonium lord
325690 | Zig:23   | Noticed Caluun the pandemonium lord
325690 | Zig:23   | Noticed Qosu the pandemonium lord
325690 | Zig:23   | Noticed Ceih the pandemonium lord
325690 | Zig:23   | Noticed Puvus the pandemonium lord
325690 | Zig:23   | Noticed Myhan Eng the pandemonium lord
325690 | Zig:23   | Noticed Azywniex the pandemonium lord
325690 | Zig:23   | Noticed Xoploigi the pandemonium lord
325690 | Zig:23   | Noticed Fozesti the pandemonium lord
325691 | Zig:23   | Noticed Ratuom the pandemonium lord
325691 | Zig:23   | Noticed Xoebib the pandemonium lord
325691 | Zig:23   | Noticed Gojaig the pandemonium lord
325691 | Zig:23   | Noticed Umacoblu the pandemonium lord
325691 | Zig:23   | Noticed Cigap the pandemonium lord
325692 | Zig:23   | Killed Myhan Eng the pandemonium lord
325692 | Zig:23   | Killed Qosu the pandemonium lord
325692 | Zig:23   | Killed Ceih the pandemonium lord
325692 | Zig:23   | Killed Imuapseblo the pandemonium lord
325692 | Zig:23   | Killed Xoploigi the pandemonium lord
325692 | Zig:23   | Killed Juedwaji the pandemonium lord
325692 | Zig:23   | Killed Haimigh the pandemonium lord
325692 | Zig:23   | Killed Zefefedgho the pandemonium lord
325692 | Zig:23   | Noticed Meqexat the pandemonium lord
325692 | Zig:23   | Noticed Laudil the pandemonium lord
325692 | Zig:23   | Noticed Nesink the pandemonium lord
325692 | Zig:23   | Noticed Jewups the pandemonium lord
325693 | Zig:23   | Noticed Gion the pandemonium lord
325693 | Zig:23   | Noticed Taskamn the pandemonium lord
325693 | Zig:23   | Killed Zoohul the pandemonium lord
325693 | Zig:23   | Killed Deoc the pandemonium lord
325693 | Zig:23   | Killed Rodeic the pandemonium lord
325693 | Zig:23   | Noticed Pec Tej the pandemonium lord
325693 | Zig:23   | Noticed Feelavew the pandemonium lord
325694 | Zig:23   | Killed Fozesti the pandemonium lord
325694 | Zig:23   | Killed Cigap the pandemonium lord
325694 | Zig:23   | Killed Azywniex the pandemonium lord
325694 | Zig:23   | Killed Puvus the pandemonium lord
325694 | Zig:23   | Killed Meqexat the pandemonium lord
325694 | Zig:23   | Killed Ytzeor the pandemonium lord
325694 | Zig:23   | Noticed Ceyhiokh the pandemonium lord
325695 | Zig:23   | Noticed Awker the pandemonium lord
325695 | Zig:23   | Killed Ciukhle the pandemonium lord
325695 | Zig:23   | Killed Gojaig the pandemonium lord
325695 | Zig:23   | Noticed Jiygeph the pandemonium lord
325696 | Zig:23   | Noticed Yzoanygy the pandemonium lord
325696 | Zig:23   | Killed Gimumm the pandemonium lord
325696 | Zig:23   | Killed Ratuom the pandemonium lord
325696 | Zig:23   | Killed Laudil the pandemonium lord
325696 | Zig:23   | Killed Caluun the pandemonium lord
325696 | Zig:23   | Killed Pec Tej the pandemonium lord
325696 | Zig:23   | Killed Umacoblu the pandemonium lord
325696 | Zig:23   | Noticed Pody the pandemonium lord
325696 | Zig:23   | Noticed Liforuv the pandemonium lord
325697 | Zig:23   | Killed Ceyhiokh the pandemonium lord
325697 | Zig:23   | Killed Liforuv the pandemonium lord
325697 | Zig:23   | Killed Awker the pandemonium lord
325697 | Zig:23   | Killed Taskamn the pandemonium lord
325697 | Zig:23   | Killed Rokaib the pandemonium lord
325697 | Zig:23   | Killed Feelavew the pandemonium lord
325697 | Zig:23   | Noticed Wuownao the pandemonium lord
325697 | Zig:23   | Killed Xeytuis the pandemonium lord
325697 | Zig:23   | Noticed Guuzxery the pandemonium lord
325697 | Zig:23   | Noticed Yhuf the pandemonium lord
325698 | Zig:23   | Noticed Ronn the pandemonium lord
325698 | Zig:23   | Killed Nesink the pandemonium lord
325698 | Zig:23   | Killed Gion the pandemonium lord
325698 | Zig:23   | Noticed Roojior the pandemonium lord
325698 | Zig:23   | Noticed Hios the pandemonium lord
325699 | Zig:23   | Killed Pody the pandemonium lord
325699 | Zig:23   | Killed Yzoanygy the pandemonium lord
325699 | Zig:23   | Noticed Inysch the pandemonium lord
325699 | Zig:23   | Noticed Resinlid the pandemonium lord
325699 | Zig:23   | Noticed Mout the pandemonium lord
325700 | Zig:23   | Killed Jiygeph the pandemonium lord
325700 | Zig:23   | Killed Xoebib the pandemonium lord
325700 | Zig:23   | Killed Jewups the pandemonium lord
325700 | Zig:23   | Noticed Sued the pandemonium lord
325700 | Zig:23   | Noticed Axzoitsu the pandemonium lord
325700 | Zig:23   | Killed Roojior the pandemonium lord
325701 | Zig:23   | Killed Yhuf the pandemonium lord
325701 | Zig:23   | Killed Ronn the pandemonium lord
325701 | Zig:23   | Noticed Eqotocim the pandemonium lord
325701 | Zig:23   | Noticed Adapamm the pandemonium lord
325701 | Zig:23   | Noticed Meetz the pandemonium lord
325701 | Zig:23   | Noticed Cuhod the pandemonium lord
325702 | Zig:23   | Killed Resinlid the pandemonium lord
325702 | Zig:23   | Killed Caf Qeom the pandemonium lord
325702 | Zig:23   | Killed Mout the pandemonium lord
325702 | Zig:23   | Killed Guuzxery the pandemonium lord
325702 | Zig:23   | Noticed Bank the pandemonium lord
325702 | Zig:23   | Noticed Cuelioci the pandemonium lord
325703 | Zig:23   | Noticed Ytintag the pandemonium lord
325703 | Zig:23   | Noticed Xine Vadajuy the pandemonium lord
325703 | Zig:23   | Noticed Vijumimaf the pandemonium lord
325703 | Zig:23   | Killed Hios the pandemonium lord
325704 | Zig:23   | Noticed Nudiosk the pandemonium lord
325704 | Zig:23   | Killed Wuownao the pandemonium lord
325704 | Zig:23   | Noticed Ziblim the pandemonium lord
325704 | Zig:23   | Noticed Uraann the pandemonium lord
325705 | Zig:23   | Noticed Ulua the pandemonium lord
325705 | Zig:23   | Killed Cuhod the pandemonium lord
325705 | Zig:23   | Killed Eqotocim the pandemonium lord
325705 | Zig:23   | Killed Sued the pandemonium lord
325705 | Zig:23   | Killed Cuelioci the pandemonium lord
325705 | Zig:23   | Killed Ytintag the pandemonium lord
325705 | Zig:23   | Killed Axzoitsu the pandemonium lord
325705 | Zig:23   | Noticed Seus the pandemonium lord
325705 | Zig:23   | Noticed Igyn the pandemonium lord
325705 | Zig:23   | Noticed Ystrim the pandemonium lord
325705 | Zig:23   | Noticed Medgh the pandemonium lord
325705 | Zig:23   | Noticed Geegu the pandemonium lord
325706 | Zig:23   | Noticed Afywkouth the pandemonium lord
325706 | Zig:23   | Noticed Cumusuf the pandemonium lord
325706 | Zig:23   | Noticed Abeent the pandemonium lord
325706 | Zig:23   | Noticed Foqe the pandemonium lord
325706 | Zig:23   | Noticed Touhoa the pandemonium lord
325706 | Zig:23   | Noticed Bisat the pandemonium lord
325708 | Zig:23   | Noticed Zud Utzyj the pandemonium lord
325708 | Zig:23   | Killed Meetz the pandemonium lord
325708 | Zig:23   | Noticed Weshuoro the pandemonium lord
325709 | Zig:23   | Killed Nudiosk the pandemonium lord
325710 | Zig:23   | Killed Inysch the pandemonium lord
325710 | Zig:23   | Noticed Xonuox the pandemonium lord
325710 | Zig:23   | Noticed Idouvv Movaa the pandemonium lord
325710 | Zig:23   | Noticed Kivyrr the pandemonium lord
325710 | Zig:23   | Killed Qiseleuwn the pandemonium lord
325711 | Zig:23   | Noticed Mecim the pandemonium lord
325711 | Zig:23   | Noticed Geemuir the pandemonium lord
325712 | Zig:23   | Noticed Fomudoef the pandemonium lord
325712 | Zig:23   | Killed Xine Vadajuy the pandemonium lord
325712 | Zig:23   | Killed Axzucan the pandemonium lord
325712 | Zig:23   | Noticed Hojona the pandemonium lord
325712 | Zig:23   | Noticed Kakil the pandemonium lord
325712 | Zig:23   | Killed Uraann the pandemonium lord
325713 | Zig:23   | Noticed Rohuoz the pandemonium lord
325713 | Zig:23   | Noticed Rerchioh the pandemonium lord
325713 | Zig:23   | Killed Cumusuf the pandemonium lord
325713 | Zig:23   | Noticed Zoituruw the pandemonium lord
325713 | Zig:23   | Killed Baistra the pandemonium lord
325713 | Zig:23   | Noticed Beoral the pandemonium lord
325713 | Zig:23   | Noticed Jeusong the pandemonium lord
325714 | Zig:23   | Noticed Fuluth Omosch the pandemonium lord
325714 | Zig:23   | Noticed Bonenuew the pandemonium lord
325714 | Zig:23   | Noticed Feycamulao the pandemonium lord
325714 | Zig:23   | Noticed Koemugal the pandemonium lord
325714 | Zig:23   | Killed Guowoed the pandemonium lord
325714 | Zig:23   | Killed Vijumimaf the pandemonium lord
325714 | Zig:23   | Noticed Cyde the pandemonium lord
325714 | Zig:23   | Noticed Ohuoqu the pandemonium lord
325714 | Zig:23   | Noticed Egiros the pandemonium lord
325714 | Zig:23   | Noticed Zuvoxy the pandemonium lord
325714 | Zig:23   | Noticed Puimp the pandemonium lord
325715 | Zig:23   | Killed Ymodd the pandemonium lord
325715 | Zig:23   | Killed Weshuoro the pandemonium lord
325715 | Zig:23   | Killed Geegu the pandemonium lord
325715 | Zig:23   | Killed Ulua the pandemonium lord
325715 | Zig:23   | Killed Zoituruw the pandemonium lord
325715 | Zig:23   | Killed Adapamm the pandemonium lord
325715 | Zig:23   | Killed Rerchioh the pandemonium lord
325715 | Zig:23   | Noticed Gilaul the pandemonium lord
325715 | Zig:23   | Noticed Ushroomo the pandemonium lord
325716 | Zig:23   | Killed Bisat the pandemonium lord
325716 | Zig:23   | Killed Mecim the pandemonium lord
325716 | Zig:23   | Killed Zuvoxy the pandemonium lord
325716 | Zig:23   | Killed Ohuoqu the pandemonium lord
325716 | Zig:23   | Killed Ystrim the pandemonium lord
325716 | Zig:23   | Killed Foqe the pandemonium lord
325716 | Zig:23   | Killed Fuluth Omosch the pandemonium lord
325716 | Zig:23   | Killed Xonuox the pandemonium lord
325716 | Zig:23   | Killed Hiddeigoepp the pandemonium lord
325716 | Zig:23   | Killed Hojona the pandemonium lord
325716 | Zig:23   | Killed Fomudoef the pandemonium lord
325716 | Zig:23   | Killed Egiros the pandemonium lord
325716 | Zig:23   | Killed Jeusong the pandemonium lord
325716 | Zig:23   | Noticed Reymmoc the pandemonium lord
325716 | Zig:23   | Killed Medgh the pandemonium lord
325717 | Zig:23   | Killed Igyn the pandemonium lord
325717 | Zig:23   | Killed Rohuoz the pandemonium lord
325717 | Zig:23   | Killed Bank the pandemonium lord
325717 | Zig:23   | Killed Kakil the pandemonium lord
325717 | Zig:23   | Killed Geemuir the pandemonium lord
325717 | Zig:23   | Killed Seus the pandemonium lord
325717 | Zig:23   | Killed Puimp the pandemonium lord
325717 | Zig:23   | Killed Ziblim the pandemonium lord
325718 | Zig:23   | Killed Abeent the pandemonium lord
325718 | Zig:23   | Killed Touhoa the pandemonium lord
325718 | Zig:23   | Killed Koemugal the pandemonium lord
325718 | Zig:23   | Killed Ushroomo the pandemonium lord
325718 | Zig:23   | Killed Reymmoc the pandemonium lord
325718 | Zig:23   | Killed Feycamulao the pandemonium lord
325718 | Zig:23   | Killed Idouvv Movaa the pandemonium lord
325718 | Zig:23   | Noticed Doril the pandemonium lord
325718 | Zig:23   | Noticed Kuaruboj the pandemonium lord
325718 | Zig:23   | Noticed Vippoeca the pandemonium lord
325718 | Zig:23   | Killed Gilaul the pandemonium lord
325718 | Zig:23   | Noticed Dirraok the pandemonium lord
325719 | Zig:23   | Noticed Etuwkoi the pandemonium lord
325720 | Zig:23   | Killed Cyde the pandemonium lord
325720 | Zig:23   | Killed Bonenuew the pandemonium lord
325720 | Zig:23   | Killed Doril the pandemonium lord
325720 | Zig:23   | Noticed Bareh Seop the pandemonium lord
325720 | Zig:23   | Noticed Miptog the pandemonium lord
325720 | Zig:23   | Killed Afywkouth the pandemonium lord
325720 | Zig:23   | Killed Beoral the pandemonium lord
325720 | Zig:23   | Noticed Nobeuc the pandemonium lord
325720 | Zig:23   | Noticed Ofivocix the pandemonium lord
325721 | Zig:23   | Killed Kivyrr the pandemonium lord
325721 | Zig:23   | Noticed Uddeafub the pandemonium lord
325722 | Zig:23   | Noticed Raz Ybb the pandemonium lord
325722 | Zig:23   | Noticed Paofu the pandemonium lord
325722 | Zig:23   | Killed Raz Ybb the pandemonium lord
325722 | Zig:23   | Killed Vorchim the pandemonium lord
325722 | Zig:23   | Noticed Xierush the pandemonium lord
325723 | Zig:23   | Killed Dirraok the pandemonium lord
325723 | Zig:23   | Killed Vippoeca the pandemonium lord
325723 | Zig:23   | Killed Ofivocix the pandemonium lord
325723 | Zig:23   | Killed Xierush the pandemonium lord
325723 | Zig:23   | Killed Miptog the pandemonium lord
325723 | Zig:23   | Noticed Ismejodd the pandemonium lord
325723 | Zig:23   | Killed Etuwkoi the pandemonium lord
325723 | Zig:23   | Noticed Keocogilill the pandemonium lord
325724 | Zig:23   | Noticed Nuusyuco the pandemonium lord
325724 | Zig:23   | Killed Pozimur the pandemonium lord
325724 | Zig:23   | Killed Kuaruboj the pandemonium lord
325724 | Zig:23   | Killed Fuodgh the pandemonium lord
325725 | Zig:23   | Noticed Dynob the pandemonium lord
325725 | Zig:23   | Noticed Muungel the pandemonium lord
325725 | Zig:23   | Killed Keocogilill the pandemonium lord
325725 | Zig:23   | Noticed Acir the pandemonium lord
325726 | Zig:23   | Killed Uddeafub the pandemonium lord
325726 | Zig:23   | Noticed Kesul the pandemonium lord
325726 | Zig:23   | Noticed Niynod the pandemonium lord
325726 | Zig:23   | Noticed Powuy the pandemonium lord
325726 | Zig:23   | Noticed Biemmir the pandemonium lord
325726 | Zig:23   | Noticed Zismei the pandemonium lord
325728 | Zig:23   | Noticed Duffomm the pandemonium lord
325728 | Zig:23   | Killed Acir the pandemonium lord
325728 | Zig:23   | Killed Ismejodd the pandemonium lord
325728 | Zig:23   | Killed Inkedyqe the pandemonium lord
325728 | Zig:23   | Killed Nobeuc the pandemonium lord
325728 | Zig:23   | Noticed Buet Pura the pandemonium lord
325728 | Zig:23   | Noticed Ipaycoasch the pandemonium lord
325729 | Zig:23   | Noticed Zah Qin the pandemonium lord
325729 | Zig:23   | Noticed Pavidug the pandemonium lord
325729 | Zig:23   | Killed Dynob the pandemonium lord
325729 | Zig:23   | Noticed Maameohye the pandemonium lord
325730 | Zig:23   | Noticed Deshuox the pandemonium lord
325730 | Zig:23   | Killed Paofu the pandemonium lord
325730 | Zig:23   | Noticed Byocamol the pandemonium lord
325730 | Zig:23   | Noticed Noake the pandemonium lord
325731 | Zig:23   | Killed Powuy the pandemonium lord
325731 | Zig:23   | Killed Biemmir the pandemonium lord
325731 | Zig:23   | Noticed Osojuihy the pandemonium lord
325731 | Zig:23   | Noticed Woxyoka the pandemonium lord
325731 | Zig:23   | Killed Maameohye the pandemonium lord
325732 | Zig:23   | Killed Byocamol the pandemonium lord
325732 | Zig:23   | Killed Bareh Seop the pandemonium lord
325732 | Zig:23   | Killed Ipaycoasch the pandemonium lord
325732 | Zig:23   | Killed Zud Utzyj the pandemonium lord
325732 | Zig:23   | Noticed Idegoh the pandemonium lord
325733 | Zig:23   | Killed Zismei the pandemonium lord
325733 | Zig:23   | Killed Zah Qin the pandemonium lord
325733 | Zig:23   | Killed Duffomm the pandemonium lord
325733 | Zig:23   | Killed Buet Pura the pandemonium lord
325733 | Zig:23   | Killed Pavidug the pandemonium lord
325733 | Zig:23   | Noticed Zoabod the pandemonium lord
325733 | Zig:23   | Noticed Ycoaboem the pandemonium lord
325734 | Zig:23   | Killed Muungel the pandemonium lord
325734 | Zig:23   | Killed Nenuy the pandemonium lord
325735 | Zig:23   | Killed Noake the pandemonium lord
325735 | Zig:23   | Killed Woxyoka the pandemonium lord
325736 | Zig:23   | Noticed Goxzybanoo the pandemonium lord
325736 | Zig:23   | Killed Deshuox the pandemonium lord
325736 | Zig:23   | Noticed Piuwnapt the pandemonium lord
325736 | Zig:23   | Noticed Pivvihiro the pandemonium lord
325736 | Zig:23   | Noticed Naolial the pandemonium lord
325737 | Zig:23   | Killed Ycoaboem the pandemonium lord
325737 | Zig:23   | Noticed Agier the pandemonium lord
325737 | Zig:23   | Noticed Fivyom Fic the pandemonium lord
325738 | Zig:23   | Killed Agier the pandemonium lord
325738 | Zig:23   | Noticed Cimac the pandemonium lord
325738 | Zig:23   | Killed Guqulix the pandemonium lord
325738 | Zig:23   | Killed Kudy the pandemonium lord
325738 | Zig:23   | Killed Onisut the pandemonium lord
325738 | Zig:23   | Killed Soczitet the pandemonium lord
325738 | Zig:23   | Killed Luus the pandemonium lord
325739 | Zig:23   | Killed Idegoh the pandemonium lord
325740 | Zig:23   | Killed Naolial the pandemonium lord
325740 | Zig:23   | Killed Osojuihy the pandemonium lord
325740 | Zig:23   | Killed Kizim the pandemonium lord
325740 | Zig:23   | Killed Odghulif the pandemonium lord
325740 | Zig:23   | Noticed Pecvumat the pandemonium lord
325741 | Zig:23   | Killed Niynod the pandemonium lord
325741 | Zig:23   | Noticed Lovaul the pandemonium lord
325741 | Zig:23   | Noticed Pojomuny the pandemonium lord
325742 | Zig:23   | Killed Piuwnapt the pandemonium lord
325742 | Zig:23   | Killed Kesul the pandemonium lord
325742 | Zig:23   | Killed Goxzybanoo the pandemonium lord
325742 | Zig:23   | Noticed Turphoes the pandemonium lord
325742 | Zig:23   | Noticed Lodeveg the pandemonium lord
325742 | Zig:23   | Noticed Riyshumemo the pandemonium lord
325743 | Zig:23   | Killed Pojomuny the pandemonium lord
325743 | Zig:23   | Killed Cimac the pandemonium lord
325743 | Zig:23   | Killed Fivyom Fic the pandemonium lord
325743 | Zig:23   | Killed Zydov the pandemonium lord
325743 | Zig:23   | Noticed Loroukhuips the pandemonium lord
325743 | Zig:23   | Killed Qeseup the pandemonium lord
325743 | Zig:23   | Killed Pivvihiro the pandemonium lord
325743 | Zig:23   | Killed Zoabod the pandemonium lord
325743 | Zig:23   | Noticed Omneu the pandemonium lord
325744 | Zig:23   | Killed Turphoes the pandemonium lord
325745 | Zig:23   | Noticed Logor the pandemonium lord
325746 | Zig:23   | Killed Nuusyuco the pandemonium lord
325746 | Zig:23   | Killed Logor the pandemonium lord
325746 | Zig:23   | Killed Tocote the pandemonium lord
325746 | Zig:23   | Noticed Plog the pandemonium lord
325746 | Zig:23   | Noticed Zichuah the pandemonium lord
325746 | Zig:23   | Noticed Cotiok the pandemonium lord
325746 | Zig:23   | Noticed Duecit the pandemonium lord
325746 | Zig:23   | Noticed Bukev the pandemonium lord
325747 | Zig:23   | Killed Loroukhuips the pandemonium lord
325748 | Zig:23   | Killed Pecvumat the pandemonium lord
325748 | Zig:23   | Killed Riyshumemo the pandemonium lord
325748 | Zig:23   | Killed Zichuah the pandemonium lord
325748 | Zig:23   | Killed Cotiok the pandemonium lord
325748 | Zig:23   | Killed Lodeveg the pandemonium lord
325748 | Zig:23   | Noticed Fudwahes the pandemonium lord
325748 | Zig:23   | Noticed Wucvylom the pandemonium lord
325748 | Zig:23   | Noticed Cien Jick the pandemonium lord
325748 | Zig:23   | Noticed Boefi the pandemonium lord
325749 | Zig:23   | Noticed Anesep the pandemonium lord
325749 | Zig:23   | Killed Cien Jick the pandemonium lord
325749 | Zig:23   | Killed Beghot the pandemonium lord
325749 | Zig:23   | Noticed Illail Reehi the pandemonium lord
325750 | Zig:23   | Killed Plog the pandemonium lord
325750 | Zig:23   | Killed Xiurghodye the pandemonium lord
325751 | Zig:23   | Noticed Vuompa the pandemonium lord
325751 | Zig:23   | Killed Muleisoe the pandemonium lord
325751 | Zig:23   | Killed Duecit the pandemonium lord
325751 | Zig:23   | Noticed Leiggeh the pandemonium lord
325751 | Zig:23   | Killed Anesep the pandemonium lord
325752 | Zig:23   | Noticed Qex Tuyfo the pandemonium lord
325752 | Zig:23   | Noticed Adiumab the pandemonium lord
325752 | Zig:23   | Noticed Veisk the pandemonium lord
325752 | Zig:23   | Noticed Xaudous the pandemonium lord
325753 | Zig:23   | Noticed Lac App the pandemonium lord
325753 | Zig:23   | Noticed Awosu the pandemonium lord
325753 | Zig:23   | Killed Sadeirgh the pandemonium lord
325753 | Zig:23   | Killed Esmiassu the pandemonium lord
325754 | Zig:23   | Killed Illail Reehi the pandemonium lord
325754 | Zig:23   | Killed Omneu the pandemonium lord
325754 | Zig:23   | Noticed Yrofaf the pandemonium lord
325755 | Zig:23   | Killed Veisk the pandemonium lord
325755 | Zig:23   | Killed Wucvylom the pandemonium lord
325755 | Zig:23   | Killed Kunt the pandemonium lord
325755 | Zig:23   | Killed Fystets the pandemonium lord
325755 | Zig:23   | Killed Lovaul the pandemonium lord
325755 | Zig:23   | Noticed Eheh the pandemonium lord
325756 | Zig:23   | Killed Lac App the pandemonium lord
325756 | Zig:23   | Killed Awosu the pandemonium lord
325756 | Zig:23   | Noticed Ileq Yps the pandemonium lord
325757 | Zig:23   | Killed Vuompa the pandemonium lord
325757 | Zig:23   | Killed Bukev the pandemonium lord
325757 | Zig:23   | Killed Adiumab the pandemonium lord
325758 | Zig:23   | Killed Yrofaf the pandemonium lord
325758 | Zig:23   | Killed Eheh the pandemonium lord
325758 | Zig:23   | Killed Ileq Yps the pandemonium lord
325758 | Zig:23   | Killed Xaudous the pandemonium lord
325758 | Zig:23   | Killed Fudwahes the pandemonium lord
325758 | Zig:23   | Killed Boefi the pandemonium lord
325758 | Zig:23   | Noticed Guiwke the pandemonium lord
325758 | Zig:23   | Noticed Irhel the pandemonium lord
325758 | Zig:23   | Noticed Vewn the pandemonium lord
325759 | Zig:23   | Noticed Neog the pandemonium lord
325760 | Zig:23   | Killed Guiwke the pandemonium lord
325760 | Zig:23   | Killed Qex Tuyfo the pandemonium lord
325761 | Zig:23   | Killed Boarghisk the pandemonium lord
325761 | Zig:23   | Noticed Maar Yma the pandemonium lord
325761 | Zig:23   | Noticed Pixzirodgh the pandemonium lord
325761 | Zig:23   | Noticed Radon the pandemonium lord
325761 | Zig:23   | Noticed Weyfet the pandemonium lord
325761 | Zig:23   | Noticed Iraulli the pandemonium lord
325763 | Zig:23   | Killed Neog the pandemonium lord
325763 | Zig:23   | Killed Irhel the pandemonium lord
325763 | Zig:23   | Killed Maar Yma the pandemonium lord
325763 | Zig:23   | Noticed Estiklehu the pandemonium lord
325764 | Zig:23   | Noticed Geskosm the pandemonium lord
325764 | Zig:23   | Noticed Guoph the pandemonium lord
325764 | Zig:23   | Noticed Emiree the pandemonium lord
325765 | Zig:23   | Killed Iraulli the pandemonium lord
325765 | Zig:23   | Killed Pixzirodgh the pandemonium lord
325765 | Zig:23   | Noticed Jeott the pandemonium lord
325765 | Zig:23   | Noticed Lututz the pandemonium lord
325765 | Zig:23   | Noticed Nyopog the pandemonium lord
325765 | Zig:23   | Noticed Goavanut the pandemonium lord
325766 | Zig:23   | Noticed Hederof the pandemonium lord
325766 | Zig:23   | Noticed Myabon the pandemonium lord
325767 | Zig:23   | Killed Radon the pandemonium lord
325767 | Zig:23   | Noticed Boex the pandemonium lord
325767 | Zig:23   | Killed Weyfet the pandemonium lord
325767 | Zig:23   | Killed Emiree the pandemonium lord
325767 | Zig:23   | Killed Estiklehu the pandemonium lord
325767 | Zig:23   | Noticed Qyess the pandemonium lord
325767 | Zig:23   | Noticed Kukiss the pandemonium lord
325767 | Zig:23   | Noticed Faenoap the pandemonium lord
325768 | Zig:23   | Killed Hederof the pandemonium lord
325768 | Zig:23   | Killed Myabon the pandemonium lord
325768 | Zig:23   | Killed Kukiss the pandemonium lord
325768 | Zig:23   | Noticed Udghag the pandemonium lord
325768 | Zig:23   | Noticed Duliny the pandemonium lord
325768 | Zig:23   | Noticed Ycaxis the pandemonium lord
325768 | Zig:23   | Noticed Qeacarox the pandemonium lord
325769 | Zig:23   | Killed Lututz the pandemonium lord
325769 | Zig:23   | Killed Guoph the pandemonium lord
325769 | Zig:23   | Killed Jeott the pandemonium lord
325769 | Zig:23   | Noticed Tonol the pandemonium lord
325770 | Zig:23   | Killed Geskosm the pandemonium lord
325770 | Zig:23   | Killed Nyopog the pandemonium lord
325770 | Zig:23   | Killed Qyess the pandemonium lord
325770 | Zig:23   | Noticed Voty Fok the pandemonium lord
325770 | Zig:23   | Noticed Woream the pandemonium lord
325770 | Zig:23   | Noticed Ithusch the pandemonium lord
325771 | Zig:23   | Killed Qeacarox the pandemonium lord
325771 | Zig:23   | Killed Boex the pandemonium lord
325771 | Zig:23   | Killed Udghag the pandemonium lord
325771 | Zig:23   | Killed Duliny the pandemonium lord
325771 | Zig:23   | Killed Ycaxis the pandemonium lord
325771 | Zig:23   | Killed Vewn the pandemonium lord
325771 | Zig:23   | Killed Faenoap the pandemonium lord
325771 | Zig:23   | Noticed Doaneaf the pandemonium lord
325772 | Zig:23   | Killed Goavanut the pandemonium lord
325772 | Zig:23   | Noticed Seggel the pandemonium lord
325773 | Zig:23   | Killed Ithusch the pandemonium lord
325773 | Zig:23   | Killed Tonol the pandemonium lord
325773 | Zig:23   | Noticed Zesuc the pandemonium lord
325774 | Zig:23   | Noticed Iwokluigi the pandemonium lord
325774 | Zig:23   | Noticed Unnupp the pandemonium lord
325774 | Zig:23   | Noticed Wiarasoi the pandemonium lord
325774 | Zig:23   | Killed Woream the pandemonium lord
325774 | Zig:23   | Noticed Usior the pandemonium lord
325775 | Zig:23   | Killed Usior the pandemonium lord
325775 | Zig:23   | Killed Wiarasoi the pandemonium lord
325775 | Zig:23   | Killed Doaneaf the pandemonium lord
325775 | Zig:23   | Noticed Xaecaoxkiu the pandemonium lord
325775 | Zig:23   | Noticed Seamip the pandemonium lord
325776 | Zig:23   | Killed Seggel the pandemonium lord
325776 | Zig:23   | Noticed Goprey the pandemonium lord
325776 | Zig:23   | Noticed Giesedac the pandemonium lord
325778 | Zig:23   | Killed Voty Fok the pandemonium lord
325778 | Zig:23   | Killed Unnupp the pandemonium lord
325779 | Zig:23   | Killed Goprey the pandemonium lord
325780 | Zig:23   | Noticed Reisig the pandemonium lord
325780 | Zig:23   | Killed Leiggeh the pandemonium lord
325781 | Zig:23   | Banished Wuqadeny the pandemonium lord
325782 | Zig:23   | Noticed Hivyw the pandemonium lord
325782 | Zig:23   | Noticed Xenloh the pandemonium lord
325783 | Zig:23   | Noticed Ewad the pandemonium lord
325784 | Zig:23   | Killed Hiyh the pandemonium lord
325785 | Zig:23   | Killed Xaecaoxkiu the pandemonium lord
325785 | Zig:23   | Killed Iwokluigi the pandemonium lord
325785 | Zig:23   | Noticed Ger Xefe the pandemonium lord
325785 | Zig:23   | Noticed Meduett the pandemonium lord
325785 | Zig:23   | Killed Seamip the pandemonium lord
325785 | Zig:23   | Noticed Innymetu the pandemonium lord
325786 | Zig:23   | Noticed Otuedghy the pandemonium lord
325786 | Zig:23   | Noticed Unodory the pandemonium lord
325786 | Zig:23   | Killed Unodory the pandemonium lord
325786 | Zig:23   | Killed Ewad the pandemonium lord
325786 | Zig:23   | Killed Hivyw the pandemonium lord
325786 | Zig:23   | Killed Giesedac the pandemonium lord
325786 | Zig:23   | Killed Zesuc the pandemonium lord
325786 | Zig:23   | Noticed Gymewk the pandemonium lord
325787 | Zig:23   | Killed Ger Xefe the pandemonium lord
325787 | Zig:23   | Noticed Eheog the pandemonium lord
325787 | Zig:23   | Noticed Iwasyets the pandemonium lord
325787 | Zig:23   | Noticed Qyci the pandemonium lord
325787 | Zig:23   | Killed Xenloh the pandemonium lord
325789 | Zig:23   | Killed Iwasyets the pandemonium lord
325789 | Zig:23   | Killed Rexynaj the pandemonium lord
325789 | Zig:23   | Killed Innymetu the pandemonium lord
325789 | Zig:23   | Noticed Heelonk the pandemonium lord
325790 | Zig:23   | Noticed Deypa the pandemonium lord
325790 | Zig:23   | Noticed Hielasut the pandemonium lord
325791 | Zig:23   | Killed Eheog the pandemonium lord
325791 | Zig:23   | Killed Gymewk the pandemonium lord
325791 | Zig:23   | Killed Deypa the pandemonium lord
325791 | Zig:23   | Noticed Deruwkixi the pandemonium lord
325791 | Zig:23   | Killed Qyci the pandemonium lord
325792 | Zig:23   | Killed Reisig the pandemonium lord
325792 | Zig:23   | Noticed Uhompoem the pandemonium lord
325792 | Zig:23   | Killed Xaxunaz the pandemonium lord
325792 | Zig:23   | Killed Amurus the pandemonium lord
325793 | Zig:23   | Killed Uhompoem the pandemonium lord
325793 | Zig:23   | Noticed Ruecuub the pandemonium lord
325793 | Zig:23   | Noticed Pauguf the pandemonium lord
325793 | Zig:23   | Killed Meduett the pandemonium lord
325794 | Zig:23   | Killed Deruwkixi the pandemonium lord
325794 | Zig:23   | Noticed Piast the pandemonium lord
325794 | Zig:23   | Noticed Vuaff the pandemonium lord
325794 | Zig:23   | Noticed Ythoiroa the pandemonium lord
325794 | Zig:23   | Noticed Niaf the pandemonium lord
325795 | Zig:23   | Noticed Deheym the pandemonium lord
325795 | Zig:23   | Killed Ythoiroa the pandemonium lord
325795 | Zig:23   | Killed Piast the pandemonium lord
325795 | Zig:23   | Killed Ruecuub the pandemonium lord
325795 | Zig:23   | Noticed Oroamuq the pandemonium lord
325795 | Zig:23   | Noticed Woagaseh the pandemonium lord
325797 | Zig:23   | Killed Hielasut the pandemonium lord
325797 | Zig:23   | Killed Otuedghy the pandemonium lord
325797 | Zig:23   | Noticed Puzon the pandemonium lord
325797 | Zig:23   | Noticed Moniq the pandemonium lord
325797 | Zig:23   | Killed Pauguf the pandemonium lord
325798 | Zig:23   | Killed Niaf the pandemonium lord
325798 | Zig:23   | Killed Puzon the pandemonium lord
325798 | Zig:23   | Noticed Weossu Xeha the pandemonium lord
325799 | Zig:23   | Killed Oroamuq the pandemonium lord
325799 | Zig:23   | Killed Vuaff the pandemonium lord
325800 | Zig:23   | Killed Heelonk the pandemonium lord
325801 | Zig:23   | Killed Woagaseh the pandemonium lord
325801 | Zig:23   | Noticed Sith the pandemonium lord
325801 | Zig:23   | Noticed Neirghidgh the pandemonium lord
325802 | Zig:23   | Noticed Igis the pandemonium lord
325803 | Zig:23   | Killed Igis the pandemonium lord
325803 | Zig:23   | Noticed Fyosacam the pandemonium lord
325803 | Zig:23   | Killed Oshamexo the pandemonium lord
325804 | Zig:23   | Killed Sith the pandemonium lord
325804 | Zig:23   | Killed Deheym the pandemonium lord
325804 | Zig:23   | Killed Weossu Xeha the pandemonium lord
325804 | Zig:23   | Killed Moniq the pandemonium lord
325804 | Zig:23   | Noticed Vybak the pandemonium lord
325804 | Zig:23   | Noticed Zion the pandemonium lord
325804 | Zig:23   | Noticed Ogehegel the pandemonium lord
325804 | Zig:23   | Noticed Ikketzos the pandemonium lord
325806 | Zig:23   | Noticed Koonirch the pandemonium lord
325807 | Zig:23   | Killed Zion the pandemonium lord
325807 | Zig:23   | Killed Fyosacam the pandemonium lord
325807 | Zig:23   | Noticed Qunat the pandemonium lord
325808 | Zig:23   | Killed Ogehegel the pandemonium lord
325808 | Zig:23   | Killed Neirghidgh the pandemonium lord
325809 | Zig:23   | Killed Ikketzos the pandemonium lord
325809 | Zig:23   | Killed Koonirch the pandemonium lord
325809 | Zig:23   | Noticed Oroigydu the pandemonium lord
325809 | Zig:23   | Noticed Tucw the pandemonium lord
325810 | Zig:23   | Killed Vybak the pandemonium lord
325810 | Zig:23   | Killed Qunat the pandemonium lord
325811 | Zig:23   | Noticed Vuithrack the pandemonium lord
325813 | Zig:23   | Noticed Pedibarehe the pandemonium lord
325813 | Zig:23   | Noticed Unkirine the pandemonium lord
325814 | Zig:23   | Noticed Yjonies the pandemonium lord
325814 | Zig:23   | Killed Oroigydu the pandemonium lord
325814 | Zig:23   | Killed Tucw the pandemonium lord
325814 | Zig:23   | Killed Unkirine the pandemonium lord
325814 | Zig:23   | Noticed Loeshiom the pandemonium lord
325815 | Zig:23   | Noticed Jyemopol the pandemonium lord
325815 | Zig:23   | Noticed Akky the pandemonium lord
325815 | Zig:23   | Killed Vuithrack the pandemonium lord
325815 | Zig:23   | Noticed Wowkat the pandemonium lord
325815 | Zig:23   | Noticed Waelueb the pandemonium lord
325816 | Zig:23   | Noticed Dygator the pandemonium lord
325817 | Zig:23   | Killed Pedibarehe the pandemonium lord
325817 | Zig:23   | Noticed Konoz the pandemonium lord
325818 | Zig:23   | Killed Loeshiom the pandemonium lord
325818 | Zig:23   | Noticed Omoritu the pandemonium lord
325819 | Zig:23   | Killed Yjonies the pandemonium lord
325819 | Zig:23   | Killed Wowkat the pandemonium lord
325819 | Zig:23   | Killed Jyemopol the pandemonium lord
325819 | Zig:23   | Killed Konoz the pandemonium lord
325819 | Zig:23   | Noticed Jill the pandemonium lord
325820 | Zig:23   | Noticed Minalism the pandemonium lord
325820 | Zig:23   | Killed Minalism the pandemonium lord
325820 | Zig:23   | Killed Waelueb the pandemonium lord
325820 | Zig:23   | Killed Dygator the pandemonium lord
325820 | Zig:23   | Killed Akky the pandemonium lord
325820 | Zig:23   | Noticed Ker Orgh the pandemonium lord
325820 | Zig:23   | Noticed Xeyg the pandemonium lord
325821 | Zig:23   | Killed Xeyg the pandemonium lord
325821 | Zig:23   | Killed Omoritu the pandemonium lord
325821 | Zig:23   | Noticed Duustei the pandemonium lord
325822 | Zig:23   | Noticed Pomyahy the pandemonium lord
325823 | Zig:23   | Killed Ker Orgh the pandemonium lord
325823 | Zig:23   | Noticed Dyeguw the pandemonium lord
325823 | Zig:23   | Noticed Vuborgha the pandemonium lord
325824 | Zig:23   | Killed Vuborgha the pandemonium lord
325825 | Zig:23   | Killed Dyeguw the pandemonium lord
325825 | Zig:23   | Killed Pomyahy the pandemonium lord
325825 | Zig:23   | Killed Duustei the pandemonium lord
325826 | Zig:23   | Noticed Legrugur the pandemonium lord
325828 | Zig:23   | Noticed Jad Ecip the pandemonium lord
325828 | Zig:23   | Killed Jill the pandemonium lord
325829 | Zig:23   | Killed Legrugur the pandemonium lord
325829 | Zig:23   | Noticed Osazor the pandemonium lord
325830 | Zig:23   | Killed Jad Ecip the pandemonium lord
325830 | Zig:23   | Noticed Cudait the pandemonium lord
325830 | Zig:23   | Noticed Mirogu Madu the pandemonium lord
325830 | Zig:23   | Noticed Ametay the pandemonium lord
325831 | Zig:23   | Killed Ametay the pandemonium lord
325831 | Zig:23   | Noticed Iloul the pandemonium lord
325832 | Zig:23   | Noticed Qiroowk the pandemonium lord
325832 | Zig:23   | Noticed Kazet the pandemonium lord
325833 | Zig:23   | Noticed Odwelar the pandemonium lord
325834 | Zig:23   | Killed Osazor the pandemonium lord
325834 | Zig:23   | Killed Qiroowk the pandemonium lord
325834 | Zig:23   | Noticed Rolihiy the pandemonium lord
325835 | Zig:23   | Killed Rolihiy the pandemonium lord
325836 | Zig:23   | Noticed Qeowniw the pandemonium lord
325836 | Zig:23   | Killed Odwelar the pandemonium lord
325836 | Zig:23   | Killed Qeowniw the pandemonium lord
325836 | Zig:23   | Noticed Doupo the pandemonium lord
325837 | Zig:23   | Noticed Jylaod the pandemonium lord
325838 | Zig:23   | Noticed Huygod the pandemonium lord
325838 | Zig:23   | Noticed Igumm the pandemonium lord
325838 | Zig:23   | Noticed Zom Zahigu the pandemonium lord
325839 | Zig:23   | Killed Nyrphejax the pandemonium lord
325840 | Zig:23   | Killed Doupo the pandemonium lord
325840 | Zig:23   | Noticed Tuytu the pandemonium lord
325841 | Zig:23   | Killed Iloul the pandemonium lord
325841 | Zig:23   | Killed Huygod the pandemonium lord
325841 | Zig:23   | Noticed Xuokiun the pandemonium lord
325842 | Zig:23   | Killed Cudait the pandemonium lord
325844 | Zig:23   | Noticed Uruit the pandemonium lord
325844 | Zig:23   | Killed Uruit the pandemonium lord
325844 | Zig:23   | Killed Jylaod the pandemonium lord
325845 | Zig:23   | Killed Tuytu the pandemonium lord
325845 | Zig:23   | Killed Dannamal the pandemonium lord
325845 | Zig:23   | Killed Vonkuo the pandemonium lord
325845 | Zig:23   | Killed Zom Zahigu the pandemonium lord
325847 | Zig:23   | Killed Mirogu Madu the pandemonium lord
325848 | Zig:23   | Killed Igumm the pandemonium lord
325850 | Zig:23   | Noticed Lufo the pandemonium lord
325851 | Zig:23   | Noticed Jeoczedi the pandemonium lord
325851 | Zig:23   | Killed Kazet the pandemonium lord
325851 | Zig:23   | Killed Xuokiun the pandemonium lord
325852 | Zig:23   | Killed Lufo the pandemonium lord
325852 | Zig:23   | Noticed Yfior the pandemonium lord
325852 | Zig:23   | Noticed Boakac the pandemonium lord
325853 | Zig:23   | Noticed Duhuisk the pandemonium lord
325854 | Zig:23   | Killed Jeoczedi the pandemonium lord
325854 | Zig:23   | Killed Boakac the pandemonium lord
325854 | Zig:23   | Noticed Noppuv the pandemonium lord
325856 | Zig:23   | Noticed Fyriso the pandemonium lord
325857 | Zig:23   | Killed Yfior the pandemonium lord
325863 | Zig:23   | Noticed Codwalo the pandemonium lord
325865 | Zig:23   | Killed Duhuisk the pandemonium lord
325867 | Zig:23   | Killed Fyriso the pandemonium lord
325868 | Zig:23   | Killed Noppuv the pandemonium lord
325868 | Zig:23   | Killed Codwalo the pandemonium lord
325912 | Zig:23   | Identified the ring "Ecoypt" {rPois Will+ Str+4}
325914 | Zig:23   | Identified the dragon-blood talisman "Muhitz" {Str+3
                  | Stlth+}
325918 | Zig:23   | Identified the +10 plate armour of Spite {rC+}
325922 | Zig:23   | Identified the +10 mace of the Hungering Gods {freeze, Fly
                  | rElec}
325923 | Zig:23   | Identified the staff of the Ghostly God {^Contam rPois
                  | Int+3 Summ Alchemy}
325948 | Zig:23   | Identified the +7 halberd of Symmetry {flame, rElec}
325950 | Zig:23   | Identified the ring "Seatrik" {+Blink Will++ Str-4 Int+6
                  | Slay+3}
325952 | Zig:23   | Identified the amulet "Lakkikh" {Faith Dex+5}
325958 | Zig:23   | Identified the amulet "Moinloaq" {-Cast Regen+ Slay+5 SInv}
325965 | Zig:23   | Identified the +9 pearl dragon scales of the Untouchables
                  | {rN+ Str+2 SInv}
325976 | Zig:23   | Identified the +2 orcbow of Kilieb {antimagic, rN+ Dex+4}
325978 | Zig:23   | Identified the ring of Doaroofa {*Slow rF+ Dex+7}
325992 | Zig:23   | Identified the ring "Bir Lioch" {rPois rC+ Str+6 Dex+2}
326429 | Zig:23   | Identified the +4 scale mail of Omaffoaf {Will- Int+7}
326505 | Zig:24   | Entered Level 24 of a ziggurat
327238 | Zig:24   | Identified the ring "Qoghuirgh" {rN++ Str-4 Int+5 Slay+4}
327242 | Zig:24   | Identified the staff of Insufficient Pleasure {^Contam
                  | rPois rC++ MP+9 Earth}
327255 | Zig:24   | Identified the +0 scale mail of the Snake Pit {Harm rF-
                  | Int+4}
327263 | Zig:24   | Identified the +7 war axe "Daitat" {heavy, rElec Str+3}
327309 | Zig:24   | Identified the staff of Greed {Str+2 SInv Conj}
327411 | Zig:25   | Entered Level 25 of a ziggurat
327496 | Zig:25   | Identified the +9 orcbow "Ussy Boi" {heavy, Str+3}
327517 | Zig:25   | Identified the +12 orcbow "Hydraslayer" {drain, rN+ Str+2
                  | Int+3}
327523 | Zig:25   | Identified the +1 chain mail of the Slug {Harm *Corrode rF+
                  | rC+++}
327524 | Zig:25   | Identified the +5 trident "Suomyn" {spect, Str+5}
327535 | Zig:25   | Identified the +2 rapier of the Enchanted Forest {drain,
                  | ^Drain rElec Str+3 Dex+3 SInv}
327536 | Zig:25   | Identified the +1 scale mail of Jebetavu {rC+ Will+ Slay+2}
328325 | Zig:25   | Identified the +1 scale mail of Ejajuruch {rF- Int+2 Slay+3
                  | SInv}
328394 | Zig:26   | Entered Level 26 of a ziggurat
328400 | Zig:26   | Noticed a royal mummy
328401 | Zig:26   | Noticed a royal mummy
328402 | Zig:26   | Noticed a royal mummy
328402 | Zig:26   | Noticed a royal mummy
328404 | Zig:26   | Noticed a royal mummy
328404 | Zig:26   | Noticed a royal mummy
328404 | Zig:26   | Noticed a royal mummy
328404 | Zig:26   | Noticed a royal mummy
328405 | Zig:26   | Killed a royal mummy
328405 | Zig:26   | Killed a royal mummy
328406 | Zig:26   | Noticed a royal mummy
328406 | Zig:26   | Killed a royal mummy
328406 | Zig:26   | Noticed a royal mummy
328407 | Zig:26   | Killed a royal mummy
328407 | Zig:26   | Killed a royal mummy
328407 | Zig:26   | Killed a royal mummy
328407 | Zig:26   | Noticed a royal mummy
328407 | Zig:26   | Noticed a royal mummy
328408 | Zig:26   | Killed a royal mummy
328408 | Zig:26   | Killed a royal mummy
328408 | Zig:26   | Killed a royal mummy
328408 | Zig:26   | Noticed a royal mummy
328408 | Zig:26   | Noticed a royal mummy
328409 | Zig:26   | Noticed a royal mummy
328409 | Zig:26   | Noticed a royal mummy
328409 | Zig:26   | Noticed a royal mummy
328409 | Zig:26   | Noticed a royal mummy
328409 | Zig:26   | Killed a royal mummy
328409 | Zig:26   | Noticed a royal mummy
328410 | Zig:26   | Killed a royal mummy
328410 | Zig:26   | Noticed a royal mummy
328411 | Zig:26   | Killed a royal mummy
328411 | Zig:26   | Killed a royal mummy
328411 | Zig:26   | Killed a royal mummy
328411 | Zig:26   | Killed a royal mummy
328411 | Zig:26   | Killed a royal mummy
328411 | Zig:26   | Killed a royal mummy
328411 | Zig:26   | Noticed a royal mummy
328411 | Zig:26   | Noticed a royal mummy
328412 | Zig:26   | Noticed a royal mummy
328412 | Zig:26   | Noticed a royal mummy
328412 | Zig:26   | Noticed a royal mummy
328413 | Zig:26   | Killed a royal mummy
328413 | Zig:26   | Killed a royal mummy
328413 | Zig:26   | Killed a royal mummy
328413 | Zig:26   | Killed a royal mummy
328414 | Zig:26   | Killed a royal mummy
328414 | Zig:26   | Killed a royal mummy
328414 | Zig:26   | Killed a royal mummy
328414 | Zig:26   | Noticed a royal mummy
328414 | Zig:26   | Noticed a royal mummy
328415 | Zig:26   | Noticed a royal mummy
328415 | Zig:26   | Noticed a royal mummy
328415 | Zig:26   | Noticed a royal mummy
328416 | Zig:26   | Killed a royal mummy
328416 | Zig:26   | Killed a royal mummy
328417 | Zig:26   | Killed a royal mummy
328417 | Zig:26   | Killed a royal mummy
328417 | Zig:26   | Killed a royal mummy
328417 | Zig:26   | Noticed a royal mummy
328418 | Zig:26   | Noticed a royal mummy
328418 | Zig:26   | Noticed a royal mummy
328418 | Zig:26   | Noticed a royal mummy
328418 | Zig:26   | Noticed a royal mummy
328418 | Zig:26   | Noticed a royal mummy
328419 | Zig:26   | Killed a royal mummy
328420 | Zig:26   | Killed a royal mummy
328420 | Zig:26   | Killed a royal mummy
328420 | Zig:26   | Killed a royal mummy
328420 | Zig:26   | Killed a royal mummy
328420 | Zig:26   | Killed a royal mummy
328420 | Zig:26   | Killed a royal mummy
328422 | Zig:26   | Noticed a royal mummy
328422 | Zig:26   | Noticed a royal mummy
328422 | Zig:26   | Noticed a royal mummy
328423 | Zig:26   | Noticed a royal mummy
328423 | Zig:26   | Noticed a royal mummy
328424 | Zig:26   | Noticed a royal mummy
328424 | Zig:26   | Killed a royal mummy
328424 | Zig:26   | Noticed a royal mummy
328424 | Zig:26   | Noticed a royal mummy
328425 | Zig:26   | Killed a royal mummy
328425 | Zig:26   | Killed a royal mummy
328425 | Zig:26   | Killed a royal mummy
328425 | Zig:26   | Noticed a royal mummy
328425 | Zig:26   | Noticed a royal mummy
328425 | Zig:26   | Killed a royal mummy
328426 | Zig:26   | Killed a royal mummy
328426 | Zig:26   | Killed a royal mummy
328426 | Zig:26   | Killed a royal mummy
328426 | Zig:26   | Killed a royal mummy
328426 | Zig:26   | Noticed a royal mummy
328426 | Zig:26   | Noticed a royal mummy
328426 | Zig:26   | Noticed a royal mummy
328427 | Zig:26   | Noticed a royal mummy
328427 | Zig:26   | Noticed a royal mummy
328428 | Zig:26   | Killed a royal mummy
328428 | Zig:26   | Killed a royal mummy
328428 | Zig:26   | Killed a royal mummy
328428 | Zig:26   | Noticed a royal mummy
328428 | Zig:26   | Noticed a royal mummy
328428 | Zig:26   | Noticed a royal mummy
328429 | Zig:26   | Killed a royal mummy
328429 | Zig:26   | Killed a royal mummy
328429 | Zig:26   | Noticed a royal mummy
328429 | Zig:26   | Noticed a royal mummy
328429 | Zig:26   | Noticed a royal mummy
328430 | Zig:26   | Noticed a royal mummy
328430 | Zig:26   | Noticed a royal mummy
328430 | Zig:26   | Noticed a royal mummy
328430 | Zig:26   | Noticed a royal mummy
328430 | Zig:26   | Noticed a royal mummy
328431 | Zig:26   | Killed a royal mummy
328431 | Zig:26   | Killed a royal mummy
328431 | Zig:26   | Killed a royal mummy
328431 | Zig:26   | Killed a royal mummy
328431 | Zig:26   | Killed a royal mummy
328431 | Zig:26   | Killed a royal mummy
328431 | Zig:26   | Noticed a royal mummy
328431 | Zig:26   | Noticed a royal mummy
328432 | Zig:26   | Killed a royal mummy
328432 | Zig:26   | Killed a royal mummy
328432 | Zig:26   | Killed a royal mummy
328432 | Zig:26   | Killed a royal mummy
328433 | Zig:26   | Noticed a royal mummy
328433 | Zig:26   | Noticed a royal mummy
328433 | Zig:26   | Noticed a royal mummy
328433 | Zig:26   | Noticed a royal mummy
328433 | Zig:26   | Killed a royal mummy
328434 | Zig:26   | Killed a royal mummy
328435 | Zig:26   | Killed a royal mummy
328435 | Zig:26   | Killed a royal mummy
328435 | Zig:26   | Noticed a royal mummy
328435 | Zig:26   | Noticed a royal mummy
328435 | Zig:26   | Noticed a royal mummy
328436 | Zig:26   | Noticed a royal mummy
328436 | Zig:26   | Noticed a royal mummy
328436 | Zig:26   | Killed a royal mummy
328437 | Zig:26   | Killed a royal mummy
328437 | Zig:26   | Killed a royal mummy
328437 | Zig:26   | Killed a royal mummy
328437 | Zig:26   | Noticed a royal mummy
328437 | Zig:26   | Noticed a royal mummy
328437 | Zig:26   | Noticed a royal mummy
328437 | Zig:26   | Noticed a royal mummy
328437 | Zig:26   | Noticed a royal mummy
328437 | Zig:26   | Noticed a royal mummy
328437 | Zig:26   | Noticed a royal mummy
328438 | Zig:26   | Noticed a royal mummy
328438 | Zig:26   | Killed a royal mummy
328439 | Zig:26   | Killed a royal mummy
328439 | Zig:26   | Killed a royal mummy
328439 | Zig:26   | Killed a royal mummy
328439 | Zig:26   | Killed a royal mummy
328439 | Zig:26   | Killed a royal mummy
328439 | Zig:26   | Killed a royal mummy
328439 | Zig:26   | Noticed a royal mummy
328439 | Zig:26   | Noticed a royal mummy
328439 | Zig:26   | Noticed a royal mummy
328439 | Zig:26   | Noticed a royal mummy
328439 | Zig:26   | Noticed a royal mummy
328440 | Zig:26   | Killed a royal mummy
328440 | Zig:26   | Killed a royal mummy
328440 | Zig:26   | Killed a royal mummy
328440 | Zig:26   | Killed a royal mummy
328440 | Zig:26   | Killed a royal mummy
328440 | Zig:26   | Killed a royal mummy
328441 | Zig:26   | Killed a royal mummy
328441 | Zig:26   | Killed a royal mummy
328441 | Zig:26   | Killed a royal mummy
328441 | Zig:26   | Killed a royal mummy
328441 | Zig:26   | Noticed a royal mummy
328441 | Zig:26   | Noticed a royal mummy
328441 | Zig:26   | Noticed a royal mummy
328442 | Zig:26   | Noticed a royal mummy
328443 | Zig:26   | Noticed a royal mummy
328443 | Zig:26   | Killed a royal mummy
328443 | Zig:26   | Killed a royal mummy
328444 | Zig:26   | Killed a royal mummy
328444 | Zig:26   | Killed a royal mummy
328445 | Zig:26   | Noticed a royal mummy
328446 | Zig:26   | Killed a royal mummy
328446 | Zig:26   | Killed a royal mummy
328446 | Zig:26   | Killed a royal mummy
328446 | Zig:26   | Noticed a royal mummy
328447 | Zig:26   | Noticed a royal mummy
328447 | Zig:26   | Noticed a royal mummy
328447 | Zig:26   | Noticed a royal mummy
328448 | Zig:26   | Noticed a royal mummy
328448 | Zig:26   | Noticed a royal mummy
328449 | Zig:26   | Noticed a royal mummy
328449 | Zig:26   | Noticed a royal mummy
328449 | Zig:26   | Noticed a royal mummy
328449 | Zig:26   | Killed a royal mummy
328449 | Zig:26   | Noticed a royal mummy
328449 | Zig:26   | Noticed a royal mummy
328450 | Zig:26   | Killed a royal mummy
328450 | Zig:26   | Killed a royal mummy
328450 | Zig:26   | Killed a royal mummy
328450 | Zig:26   | Killed a royal mummy
328451 | Zig:26   | Killed a royal mummy
328451 | Zig:26   | Killed a royal mummy
328451 | Zig:26   | Killed a royal mummy
328451 | Zig:26   | Killed a royal mummy
328451 | Zig:26   | Killed a royal mummy
328452 | Zig:26   | Killed a royal mummy
328452 | Zig:26   | Killed a royal mummy
328453 | Zig:26   | Noticed a royal mummy
328455 | Zig:26   | Noticed a royal mummy
328457 | Zig:26   | Killed a royal mummy
328457 | Zig:26   | Noticed a royal mummy
328462 | Zig:26   | Killed a royal mummy
328464 | Zig:26   | Killed a royal mummy
328475 | Zig:26   | Identified the +3 chain mail of Plasticity {Will+ Slay+5}
328481 | Zig:26   | Identified the staff of Charred Guile {rElec MP-9 Tloc
                  | Earth}
328994 | Zig:26   | Identified the +4 rapier of Ophyafuv {freeze, rPois Str-2
                  | Int+3 Dex+3}
329002 | Zig:26   | Identified the staff of Indomitability {Int+2 Conj Hexes}
329004 | Zig:26   | Identified the +4 short sword of the Snake Pit {heavy,
                  | rPois}
329034 | Zig:26   | Identified the staff of the Rotten God {rF+ rCorr Str+3
                  | Fire}
329038 | Zig:26   | Identified the ring of Dishonour {rF+ MP+9}
329043 | Zig:26   | Identified the ring of Vyseatur {rF+ rCorr Int+3}
329083 | Zig:26   | Identified the ring "Cowumoel" {Fly rElec rPois Dex+3}
329094 | Zig:26   | Identified the ring of Qesk {rC+ Will+ SInv}
329101 | Zig:26   | Identified the staff of the Lonely Beggars {rElec Will+
                  | Dex+3 Air}
329102 | Zig:26   | Identified the +2 ring mail of Blue Lucidity {+Inv}
329106 | Zig:26   | Identified the +2 leather armour of Mefitiph {MP+9}
329114 | Zig:26   | Identified the +9 longbow of Sephex {heavy, rPois rN+
                  | Will-}
329115 | Zig:26   | Identified the +0 dire flail of the Vendetta {flame, Str+7
                  | Int-3}
329290 | Zig:27   | Entered Level 27 of a ziggurat
329374 | Zig:27   | Identified the +10 dagger of Fortitude {flame, Int+2 Dex+3}
329391 | Zig:27   | Identified the +11 plate armour of the Evening Star {Harm
                  | Str+5}
329394 | Zig:27   | Identified the +4 war axe of Plunder {antimagic, Fly rF+
                  | rC+ Dex+3}
329428 | Zig:27   | Identified the staff of Ravage {+Blink rF+ rC+ Str-4 Tloc
                  | Ice}
329430 | Zig:27   | Identified the ring of Sigyts Kuro {rElec rF+ Int-4 Slay+5
                  | Stlth+}
329432 | Zig:27   | Identified the ring of Dishonesty {rPois rC+ Will+ Str+2
                  | Stlth+}
329555 | Zig:27   | Identified the staff of Peace {rElec rPois rF+ Str+5 Fire}
329557 | Zig:27   | Identified the +5 trident "Worm's Wrath" {drain, rC+ Str+4
                  | SInv Stlth-}
329565 | Zig:27   | Identified the staff of Vevoudac {rCorr Int-5 Conj Fire}
329570 | Zig:27   | Identified the +2 dagger "Piodiyba" {venom, Stlth+}
329602 | Zig:27   | Identified the +1 long sword of Forgiveness {protect, rC+
                  | Dex+4}
329608 | Zig:27   | Identified the +6 sling "Vipekez" {freeze, rElec Str+4}
329613 | Zig:27   | Identified the +3 ring mail of Liberty {rC- rN+ rCorr
                  | Int+4}
329615 | Zig:27   | Identified the +1 pair of gloves "Nirpheyke" {SInv}
329625 | Zig:27   | Identified the +9 eveningstar "Qakiys" {flame, Fly}
329631 | Zig:27   | Identified the orb "Othenear" {*channel, rF- rC- Dex+8
                  | Slay+4}
330177 | Zig:27   | Identified the +2 scale mail of the Fresh God {Str+5}
330285 | Depths:3 | Acquired 551 gold pieces
330286 | Depths:3 | Acquired 1020 gold pieces
330287 | Depths:3 | Acquired 594 gold pieces
330288 | Depths:3 | Acquired 544 gold pieces
330289 | Depths:3 | Acquired 760 gold pieces
330290 | Depths:3 | Acquired 1284 gold pieces
330291 | Depths:3 | Acquired 761 gold pieces
330292 | Depths:3 | Acquired the +0 pair of gloves "Vaxenk" {rElec rC+ Will+}
330293 | Depths:3 | Acquired 1176 gold pieces
330294 | Depths:3 | Acquired 909 gold pieces
330295 | Depths:3 | Acquired 870 gold pieces
330296 | Depths:3 | Acquired 748 gold pieces
330297 | Depths:3 | Acquired the +0 pair of boots of Vlad {rF+ Will+ Dex+3}
330309 | Zig:1    | Entered Level 1 of a ziggurat
330419 | Zig:2    | Entered Level 2 of a ziggurat
330565 | Zig:2    | Identified the +9 mace of the Well-Known Quests {drain,
                  | rCorr Stlth+}
330579 | Zig:3    | Entered Level 3 of a ziggurat
330733 | Zig:4    | Entered Level 4 of a ziggurat
330852 | Zig:4    | Identified the +1 scale mail of the Lost Path {Will+}
330859 | Zig:4    | Identified the +1 dagger of Mufu {venom, rElec}
330861 | Zig:4    | Identified the +3 falchion of the Desert {venom, rElec}
330871 | Zig:4    | Identified the +1 scimitar of the Old World {venom, rElec
                  | Int+5 Stlth+}
330875 | Zig:4    | Identified the +1 short sword of Dishonour {pain, Str-2
                  | Int+2 Dex+5}
330890 | Zig:5    | Entered Level 5 of a ziggurat
330952 | Zig:5    | Identified the +1 hand cannon of Starshine {speed, rElec
                  | rN+++ Int-5 SInv}
330954 | Zig:5    | Identified the staff of Kuofic {rPois rC+ Dex+3 Alchemy}
330962 | Zig:5    | Identified the +0 pair of gloves of Xom's Favour {Harm rN+
                  | Int+2 Slay-6}
331079 | Zig:6    | Entered Level 6 of a ziggurat
331092 | Zig:6    | Noticed Cuevvui the pandemonium lord
331095 | Zig:6    | Killed Cuevvui the pandemonium lord
331275 | Zig:6    | Identified the staff of Poipt {rPois rC+ Str+3 Ice}
331283 | Zig:6    | Identified the +4 short sword "Pobbi" {drain, *Slow rC+
                  | Will+ Dex+6}
331289 | Zig:6    | Identified the +3 orcbow of Anguish {elec, rC++}
331291 | Zig:6    | Identified the +1 pair of boots of the Eternal Void {rF++
                  | Str-5}
331319 | Zig:7    | Entered Level 7 of a ziggurat
331319 | Zig:7    | Noticed Cioger the pandemonium lord
331319 | Zig:7    | Noticed Pucol the pandemonium lord
331319 | Zig:7    | Noticed Ceydwuequ the pandemonium lord
331319 | Zig:7    | Noticed Jibarghim the pandemonium lord
331319 | Zig:7    | Noticed Vaghitt the pandemonium lord
331319 | Zig:7    | Noticed Biasmer the pandemonium lord
331319 | Zig:7    | Noticed Kephuh the pandemonium lord
331319 | Zig:7    | Noticed Qepnuo the pandemonium lord
331319 | Zig:7    | Noticed Joryog the pandemonium lord
331319 | Zig:7    | Noticed Direas the pandemonium lord
331319 | Zig:7    | Noticed Miess the pandemonium lord
331319 | Zig:7    | Noticed Niatoimya the pandemonium lord
331319 | Zig:7    | Noticed Pueca the pandemonium lord
331319 | Zig:7    | Noticed Udghiw the pandemonium lord
331319 | Zig:7    | Noticed Ucymi the pandemonium lord
331319 | Zig:7    | Noticed Liplapt the pandemonium lord
331319 | Zig:7    | Noticed Jestroriss the pandemonium lord
331319 | Zig:7    | Noticed Umneudim the pandemonium lord
331319 | Zig:7    | Noticed Wehif the pandemonium lord
331319 | Zig:7    | Noticed Ywow Lamp the pandemonium lord
331319 | Zig:7    | Noticed Jualauc the pandemonium lord
331319 | Zig:7    | Noticed Upaur the pandemonium lord
331320 | Zig:7    | Noticed Maelaydy the pandemonium lord
331321 | Zig:7    | Noticed Nieggeip the pandemonium lord
331321 | Zig:7    | Noticed Nyqeur the pandemonium lord
331322 | Zig:7    | Noticed Semnulau the pandemonium lord
331322 | Zig:7    | Killed Jestroriss the pandemonium lord
331323 | Zig:7    | Noticed Nepiuxigg the pandemonium lord
331323 | Zig:7    | Killed Wehif the pandemonium lord
331324 | Zig:7    | Killed Miess the pandemonium lord
331324 | Zig:7    | Killed Jualauc the pandemonium lord
331325 | Zig:7    | Killed Niatoimya the pandemonium lord
331325 | Zig:7    | Killed Pucol the pandemonium lord
331325 | Zig:7    | Killed Joryog the pandemonium lord
331325 | Zig:7    | Noticed Wutoiled the pandemonium lord
331326 | Zig:7    | Noticed Gudueb the pandemonium lord
331326 | Zig:7    | Noticed Safat the pandemonium lord
331326 | Zig:7    | Killed Umneudim the pandemonium lord
331326 | Zig:7    | Killed Qepnuo the pandemonium lord
331326 | Zig:7    | Noticed Rauzeell the pandemonium lord
331326 | Zig:7    | Killed Pueca the pandemonium lord
331327 | Zig:7    | Killed Ywow Lamp the pandemonium lord
331327 | Zig:7    | Killed Udghiw the pandemonium lord
331327 | Zig:7    | Killed Liplapt the pandemonium lord
331328 | Zig:7    | Killed Upaur the pandemonium lord
331328 | Zig:7    | Killed Direas the pandemonium lord
331328 | Zig:7    | Killed Cioger the pandemonium lord
331328 | Zig:7    | Killed Kephuh the pandemonium lord
331328 | Zig:7    | Killed Semnulau the pandemonium lord
331329 | Zig:7    | Killed Ucymi the pandemonium lord
331329 | Zig:7    | Killed Maelaydy the pandemonium lord
331329 | Zig:7    | Killed Jibarghim the pandemonium lord
331329 | Zig:7    | Noticed Yphid the pandemonium lord
331329 | Zig:7    | Killed Vaghitt the pandemonium lord
331330 | Zig:7    | Killed Gudueb the pandemonium lord
331330 | Zig:7    | Killed Biasmer the pandemonium lord
331330 | Zig:7    | Killed Rauzeell the pandemonium lord
331330 | Zig:7    | Killed Ceydwuequ the pandemonium lord
331330 | Zig:7    | Noticed Liwn the pandemonium lord
331331 | Zig:7    | Killed Safat the pandemonium lord
331331 | Zig:7    | Killed Nyqeur the pandemonium lord
331331 | Zig:7    | Noticed Kathrepluq the pandemonium lord
331333 | Zig:7    | Noticed Vila Jax the pandemonium lord
331333 | Zig:7    | Noticed Noyfuite the pandemonium lord
331333 | Zig:7    | Noticed Otuom the pandemonium lord
331333 | Zig:7    | Noticed Nennelol the pandemonium lord
331334 | Zig:7    | Noticed Yhosan the pandemonium lord
331334 | Zig:7    | Killed Nepiuxigg the pandemonium lord
331334 | Zig:7    | Killed Wutoiled the pandemonium lord
331334 | Zig:7    | Killed Noyfuite the pandemonium lord
331335 | Zig:7    | Killed Kathrepluq the pandemonium lord
331335 | Zig:7    | Killed Nieggeip the pandemonium lord
331336 | Zig:7    | Killed Liwn the pandemonium lord
331336 | Zig:7    | Killed Nennelol the pandemonium lord
331336 | Zig:7    | Killed Yphid the pandemonium lord
331336 | Zig:7    | Noticed Godioh the pandemonium lord
331337 | Zig:7    | Killed Otuom the pandemonium lord
331337 | Zig:7    | Killed Vila Jax the pandemonium lord
331337 | Zig:7    | Killed Yhosan the pandemonium lord
331337 | Zig:7    | Noticed Buxeh the pandemonium lord
331338 | Zig:7    | Killed Godioh the pandemonium lord
331338 | Zig:7    | Killed Buxeh the pandemonium lord
331338 | Zig:7    | Noticed Muvveguf the pandemonium lord
331339 | Zig:7    | Noticed Nauhek the pandemonium lord
331339 | Zig:7    | Noticed Azongot the pandemonium lord
331339 | Zig:7    | Noticed Osuog the pandemonium lord
331340 | Zig:7    | Killed Osuog the pandemonium lord
331340 | Zig:7    | Noticed Roinudy the pandemonium lord
331341 | Zig:7    | Killed Nauhek the pandemonium lord
331341 | Zig:7    | Killed Azongot the pandemonium lord
331341 | Zig:7    | Noticed Oloes the pandemonium lord
331342 | Zig:7    | Noticed Suhenih the pandemonium lord
331343 | Zig:7    | Killed Oloes the pandemonium lord
331344 | Zig:7    | Killed Suhenih the pandemonium lord
331345 | Zig:7    | Killed Muvveguf the pandemonium lord
331345 | Zig:7    | Killed Roinudy the pandemonium lord
331555 | Zig:8    | Entered Level 8 of a ziggurat
331742 | Zig:8    | Identified the scarf of Prudence {repulsion, +Blink}
331754 | Zig:8    | Identified the +1 scimitar "Ysiulozxi" {heavy, Int+2}
331758 | Zig:8    | Identified the amulet of Suspicion {Reflect Str+3 SH+5}
331768 | Zig:8    | Identified the +7 eudemon blade of Annoyance {holy, rC- rN+
                  | SInv}
331771 | Zig:8    | Identified the +3 flail of Fee Simple {pain, rElec Str+2
                  | Int+3}
331773 | Zig:8    | Identified the +8 quarterstaff of Eminent Domain {freeze,
                  | MP+9}
331784 | Zig:9    | Entered Level 9 of a ziggurat
331818 | Zig:9    | Identified the ring "Xain" {rCorr Dex+3}
331834 | Zig:9    | Identified the +1 ring mail "Yplum" {+Blink}
331849 | Zig:9    | Identified the +0 long sword "Fiedijid" {vamp, rCorr Int+4}
331853 | Zig:9    | Identified the staff "Arbiter" {rN+ Necro Earth}
331859 | Zig:9    | Identified the staff of Balance {rC+ Will+ Ice}
331860 | Zig:9    | Identified the +11 great mace of Onupiggu {protect, rCorr}
331864 | Zig:9    | Identified the +4 quarterstaff of Terror {flame, ^Contam
                  | rPois Int+3}
332105 | Zig:10   | Entered Level 10 of a ziggurat
332146 | Zig:10   | Identified the +8 long sword of the Lettuce {flame, rN++
                  | Will+ Dex+3}
332377 | Zig:10   | Identified the ring "Tadoel" {*Slow rC+ AC+4 Int+9}
332401 | Zig:11   | Entered Level 11 of a ziggurat
332446 | Zig:11   | Identified the +3 leather armour of Iluphaug {Str+3}
332449 | Zig:11   | Identified the +8 long sword "Qix Nahobi" {protect, rC+}
332452 | Zig:11   | Identified the staff of the Maze {rElec Will+ Str+4 Int+2
                  | Air}
332686 | Zig:11   | Identified the +4 quarterstaff of Qeoracra {flame, rElec
                  | rF- Int+6}
332694 | Zig:12   | Entered Level 12 of a ziggurat
332744 | Zig:12   | Identified the staff of Taaschopp {rPois rF- rN+ Ice
                  | Alchemy}
332983 | Zig:12   | Identified the +8 ring mail of Failure {Dex+6 Stlth+}
333056 | Zig:12   | Identified the ring of Nemelex Xobeh's Favour {Wiz rPois}
333060 | Zig:12   | Identified the +4 eudemon blade of Annihilation {holy,
                  | rPois Int+3}
333066 | Zig:13   | Entered Level 13 of a ziggurat
333066 | Zig:13   | Noticed an ancient lich
333066 | Zig:13   | Noticed a dread lich
333066 | Zig:13   | Noticed a dread lich
333066 | Zig:13   | Noticed a dread lich
333066 | Zig:13   | Noticed a dread lich
333066 | Zig:13   | Noticed a dread lich
333066 | Zig:13   | Noticed an ancient lich
333066 | Zig:13   | Noticed an ancient lich
333066 | Zig:13   | Noticed a dread lich
333066 | Zig:13   | Noticed an ancient lich
333066 | Zig:13   | Noticed an ancient lich
333066 | Zig:13   | Noticed a dread lich
333066 | Zig:13   | Noticed an ancient lich
333066 | Zig:13   | Noticed an ancient lich
333066 | Zig:13   | Noticed a dread lich
333066 | Zig:13   | Noticed an ancient lich
333066 | Zig:13   | Noticed an ancient lich
333066 | Zig:13   | Noticed an ancient lich
333066 | Zig:13   | Noticed a dread lich
333066 | Zig:13   | Noticed an ancient lich
333066 | Zig:13   | Noticed an ancient lich
333066 | Zig:13   | Noticed an ancient lich
333066 | Zig:13   | Noticed a dread lich
333066 | Zig:13   | Noticed a dread lich
333066 | Zig:13   | Noticed a dread lich
333066 | Zig:13   | Noticed a dread lich
333066 | Zig:13   | Noticed a dread lich
333066 | Zig:13   | Noticed a dread lich
333066 | Zig:13   | Noticed a dread lich
333066 | Zig:13   | Noticed a dread lich
333067 | Zig:13   | Killed a dread lich
333067 | Zig:13   | Killed a dread lich
333067 | Zig:13   | Killed a dread lich
333067 | Zig:13   | Killed an ancient lich
333067 | Zig:13   | Killed a dread lich
333067 | Zig:13   | Killed an ancient lich
333067 | Zig:13   | Killed a dread lich
333067 | Zig:13   | Killed an ancient lich
333067 | Zig:13   | Killed an ancient lich
333067 | Zig:13   | Killed a dread lich
333067 | Zig:13   | Killed an ancient lich
333067 | Zig:13   | Killed a dread lich
333068 | Zig:13   | Killed a dread lich
333068 | Zig:13   | Killed a dread lich
333068 | Zig:13   | Killed a dread lich
333068 | Zig:13   | Killed an ancient lich
333068 | Zig:13   | Killed an ancient lich
333068 | Zig:13   | Killed a dread lich
333068 | Zig:13   | Killed a dread lich
333068 | Zig:13   | Killed an ancient lich
333068 | Zig:13   | Killed an ancient lich
333068 | Zig:13   | Killed an ancient lich
333068 | Zig:13   | Killed a dread lich
333068 | Zig:13   | Killed an ancient lich
333068 | Zig:13   | Killed an ancient lich
333068 | Zig:13   | Killed an ancient lich
333068 | Zig:13   | Killed a dread lich
333068 | Zig:13   | Killed a dread lich
333068 | Zig:13   | Killed a dread lich
333068 | Zig:13   | Killed a dread lich
333068 | Zig:13   | Noticed a dread lich
333068 | Zig:13   | Noticed a dread lich
333068 | Zig:13   | Noticed a dread lich
333069 | Zig:13   | Noticed an ancient lich
333069 | Zig:13   | Noticed an ancient lich
333069 | Zig:13   | Noticed a dread lich
333070 | Zig:13   | Noticed an ancient lich
333070 | Zig:13   | Noticed a dread lich
333070 | Zig:13   | Noticed a dread lich
333070 | Zig:13   | Killed a dread lich
333070 | Zig:13   | Killed a dread lich
333070 | Zig:13   | Killed a dread lich
333070 | Zig:13   | Killed a dread lich
333070 | Zig:13   | Killed an ancient lich
333071 | Zig:13   | Noticed a dread lich
333072 | Zig:13   | Noticed an ancient lich
333072 | Zig:13   | Killed an ancient lich
333072 | Zig:13   | Killed a dread lich
333072 | Zig:13   | Killed a dread lich
333072 | Zig:13   | Killed an ancient lich
333072 | Zig:13   | Killed an ancient lich
333072 | Zig:13   | Killed a dread lich
333073 | Zig:13   | Noticed an ancient lich
333073 | Zig:13   | Noticed a dread lich
333073 | Zig:13   | Noticed an ancient lich
333073 | Zig:13   | Noticed a dread lich
333074 | Zig:13   | Noticed a dread lich
333074 | Zig:13   | Noticed an ancient lich
333074 | Zig:13   | Killed a dread lich
333074 | Zig:13   | Killed an ancient lich
333074 | Zig:13   | Noticed a dread lich
333074 | Zig:13   | Killed a dread lich
333075 | Zig:13   | Noticed a dread lich
333075 | Zig:13   | Noticed a dread lich
333075 | Zig:13   | Noticed an ancient lich
333075 | Zig:13   | Killed an ancient lich
333076 | Zig:13   | Killed a dread lich
333076 | Zig:13   | Killed an ancient lich
333076 | Zig:13   | Killed a dread lich
333077 | Zig:13   | Noticed an ancient lich
333077 | Zig:13   | Noticed a dread lich
333077 | Zig:13   | Noticed an ancient lich
333077 | Zig:13   | Noticed an ancient lich
333077 | Zig:13   | Noticed a dread lich
333078 | Zig:13   | Killed a dread lich
333078 | Zig:13   | Killed an ancient lich
333078 | Zig:13   | Killed a dread lich
333078 | Zig:13   | Killed an ancient lich
333078 | Zig:13   | Killed an ancient lich
333078 | Zig:13   | Killed an ancient lich
333079 | Zig:13   | Noticed a dread lich
333079 | Zig:13   | Noticed a dread lich
333079 | Zig:13   | Noticed a dread lich
333079 | Zig:13   | Noticed a dread lich
333079 | Zig:13   | Killed a dread lich
333080 | Zig:13   | Noticed a dread lich
333080 | Zig:13   | Killed a dread lich
333080 | Zig:13   | Killed a dread lich
333080 | Zig:13   | Killed a dread lich
333080 | Zig:13   | Killed a dread lich
333080 | Zig:13   | Noticed an ancient lich
333081 | Zig:13   | Noticed a dread lich
333082 | Zig:13   | Killed a dread lich
333082 | Zig:13   | Killed a dread lich
333083 | Zig:13   | Killed an ancient lich
333083 | Zig:13   | Killed a dread lich
333084 | Zig:13   | Noticed an ancient lich
333084 | Zig:13   | Noticed a dread lich
333085 | Zig:13   | Killed a dread lich
333087 | Zig:13   | Killed an ancient lich
333125 | Zig:13   | Identified the +7 shortbow of Soehoam {flame, ^Drain rPois
                  | rN++ Int+3}
333149 | Zig:13   | Identified the staff of Zekuod {rN+ Dex+3 Necro Air}
333206 | Zig:13   | Identified the +5 battleaxe of Asutodar {freeze, rElec}
333438 | Zig:14   | Entered Level 14 of a ziggurat
333468 | Zig:14   | Killed a starcursed mass
333505 | Zig:14   | Identified the +5 spear "Cyfrer" {drain, *Slow rPois Int+4}
333506 | Zig:14   | Identified the staff "Jeaterot" {rElec Str+5 Air}
333509 | Zig:14   | Identified the ring "Rithry Voaf" {Fly rElec rN+ Int+2}
333732 | Zig:14   | Identified the ring of Pride {rF- rC+ rCorr Int+2}
333738 | Zig:14   | Identified the ring of Weagipni {rElec rN+ Str+2}
333743 | Zig:14   | Identified the +3 orcbow "Yfaahinio" {drain, Int+6 SInv}
333786 | Zig:14   | Identified the +3 mace "Caygom" {flame, +Blink rN+ Str+2}
333820 | Zig:14   | Identified the staff of Tartarus {Fly rPois rF+ Int-2 SInv
                  | Fire}
333857 | Zig:15   | Entered Level 15 of a ziggurat
333912 | Zig:15   | Identified the +5 falchion of Drought {protect, +Blink
                  | rPois rC++ Str-4}
334228 | Zig:16   | Entered Level 16 of a ziggurat
334315 | Zig:16   | Identified the ring of Ceprirur {MP+9 Str+6 Dex+4}
334317 | Zig:16   | Identified the staff of Diet Blood {Will- Str+5 Earth}
334326 | Zig:16   | Identified the +6 great sword of the Gnat {heavy, +Blink
                  | rF+ Str-3 Dex+4}
334327 | Zig:16   | Identified the +7 war axe of a sewer {flame, rPois Str-3
                  | Int+6}
334588 | Zig:16   | Identified the staff of the Doomed Warrior {rF+ Int+3 Fire}
334593 | Zig:16   | Identified the ring "Cifen" {^Contam Fly rPois rN+ Int+3}
334611 | Zig:16   | Identified the +0 robe "Lubbirph" {rElec}
334620 | Zig:16   | Identified the +3 helmet of Ogimpuniu {rElec rPois Str-3}
334623 | Zig:17   | Entered Level 17 of a ziggurat
334717 | Zig:17   | Identified the +1 buckler of Infinity {rF+ Will++ Int-5
                  | Dex+3}
334733 | Zig:17   | Identified the +5 dagger of Youthful Indiscretion {freeze,
                  | *Slow rF+ Dex+5}
334744 | Zig:17   | Identified the +1 glaive "Faxey" {antimagic, Will++}
334748 | Zig:17   | Identified the +3 war axe "Pawocy" {antimagic, Fly rElec}
334750 | Zig:17   | Identified the +6 chain mail of Inevitability {rC+}
334762 | Zig:17   | Identified the +8 long sword of Resumed Hostilities
                  | {antimagic, Int+5 Dex+2}
334778 | Zig:17   | Identified the +9 quarterstaff "Efaah" {drain, rF+ Dex+4}
335047 | Zig:17   | Identified the ring "Uriobbo" {rPois rF++ Str-4 Int-3
                  | Dex+3}
335070 | Zig:18   | Entered Level 18 of a ziggurat
335114 | Zig:18   | Identified the +2 longbow of Jiekhlexo {drain, rCorr}
335134 | Zig:18   | Identified the +1 chain mail of the Transparent God {rF+
                  | Str+2}
335135 | Zig:18   | Identified the staff of Shame {rC+ rN+ Str+2 Dex-2 Necro
                  | Ice}
335143 | Zig:18   | Identified the amulet "Kupnaa" {*Slow rPois Regen+ Dex+4
                  | Slay+2}
335395 | Zig:18   | Identified the +6 leather armour "Yluzoil" {rF+ Will-
                  | Str+6}
335443 | Zig:18   | Identified the +6 eudemon blade of the Warrior {holy, rPois
                  | Str+3 Dex-2}
335449 | Zig:18   | Identified the ring "Bajoym" {rC- EV+5 Int+7}
335454 | Zig:18   | Identified the +4 ring mail of Polytheism {Will+ MP+9}
335455 | Zig:18   | Identified the +1 arbalest "Locaen" {flame, rPois}
335512 | Zig:18   | Identified the ring of Xom's Fair Game {Fly Int+3 Dex+6}
335514 | Zig:18   | Identified the +5 halberd "Nupnedec" {drain, rC+ rN+ Will-}
335515 | Zig:18   | Identified the staff "Kock" {^Drain Fly Stlth+ Conj}
335521 | Zig:18   | Identified the +0 spear of Madesy {freeze, ^Contam rElec
                  | rF+++ MP+9}
335534 | Zig:19   | Entered Level 19 of a ziggurat
335587 | Zig:19   | Identified the +4 pair of gloves of Hauvinimn {+Inv Will+
                  | rCorr Int+2}
335602 | Zig:19   | Identified the ring "Fausk" {Fly Str+3}
335606 | Zig:19   | Identified the +4 flail of the Hungering Gods {flame, Int+4
                  | Dex+2}
335609 | Zig:19   | Identified the staff of Egiatsuwu {rF++ Dex+3 SInv Conj}
335634 | Zig:19   | Identified the ring of Ticul {Fire *Corrode rElec Str+2
                  | Dex+3}
335637 | Zig:19   | Identified the staff of Soxeiwky {rC+ rN+ Int-4 Necro Fire}
335641 | Zig:19   | Identified the ring of a Thousand Beggars {rC- rCorr EV+5
                  | Dex+3}
335987 | Zig:19   | Identified the +1 trident of Scorn {pain, ^Fragile rCorr
                  | Str+2}
335991 | Zig:19   | Identified the ring "Ysytomp" {*Corrode Will++ Str+6 Dex+5}
336000 | Zig:19   | Identified the amulet "Jisewesi" {Harm Will+ Regen+ Str+5}
336006 | Zig:19   | Identified the ring of Dioruse {*Corrode Will+ Dex+3 SInv}
336008 | Zig:19   | Identified the staff of Wrath {rCorr Earth}
336057 | Zig:20   | Entered Level 20 of a ziggurat
336065 | Zig:20   | Noticed a dread lich
336065 | Zig:20   | Noticed an ancient lich
336088 | Zig:20   | Noticed a dread lich
336088 | Zig:20   | Killed a dread lich
336096 | Zig:20   | Noticed a dread lich
336100 | Zig:20   | Killed an ancient lich
336125 | Zig:20   | Killed a dread lich
336136 | Zig:20   | Noticed a dread lich
336139 | Zig:20   | Killed a dread lich
336145 | Zig:20   | Killed a dread lich
336156 | Zig:20   | Identified the +6 trident of the Protecting Gods {flame,
                  | ^Contam Int+8}
336190 | Zig:20   | Identified the +0 great sword of the Boiling Point {venom,
                  | rElec Int+3}
336439 | Zig:20   | Identified the +6 broad axe "Ycest" {vamp, Str+4 Dex+6}
336442 | Zig:20   | Identified the +8 eveningstar of Lugad {holy, Int+3}
336446 | Zig:20   | Identified the +1 battleaxe of Fiote Sode {freeze, rN+
                  | Will- Dex+4 SInv}
336485 | Zig:20   | Identified the +1 helmet of Time Monsters {Harm *Slow rF+}
336507 | Zig:20   | Identified the +6 flail "Ceuh" {freeze, +Blink Int+4 Dex-2}
336521 | Zig:20   | Identified the ring "Tiz Zosi" {Ice Dex+3}
336537 | Zig:20   | Identified the +1 chain mail of Valiance {Str+3}
336548 | Zig:20   | Identified the ring "Getzet" {*Corrode +Blink AC+4 Dex+3
                  | Slay+3}
336565 | Zig:20   | Identified the +10 plate armour of Tenacity {rElec Int+3}
336658 | Zig:21   | Entered Level 21 of a ziggurat
336740 | Zig:21   | Identified the staff "Hiepomp" {^Drain rC+ Will+ Int+3 Ice}
336742 | Zig:21   | Identified the orb "Nyergh" {*Rage, Ice}
336745 | Zig:21   | Identified the +5 halberd of Resourcefulness {venom, Fly
                  | Will+ Int+3 Dex-4}
336749 | Zig:21   | Identified the ring "Helyebur" {Ice rElec Int-4 Dex+3}
336751 | Zig:21   | Identified the +9 battleaxe "Womnao" {vamp, MP+9}
336753 | Zig:21   | Identified the +4 mace of Wiloim {pain, Will- rCorr SInv}
336760 | Zig:21   | Identified the +0 buckler of the Guilds {+Blink}
336788 | Zig:21   | Identified the +3 leather armour of Marbles {rC+ rN++
                  | Regen+ Str-2}
337184 | Zig:22   | Entered Level 22 of a ziggurat
337655 | Zig:22   | Identified the ring "Guprej" {rPois rCorr Dex+7 Stlth+}
337663 | Zig:22   | Identified the ring of Ysumat {Fire rElec Str+2}
337686 | Zig:22   | Identified the +3 hand axe of the Hummingbird {flame,
                  | Int+2}
337690 | Zig:22   | Identified the ring of Qoot {rN+ Str+6 Dex-3 Stlth+}
337707 | Zig:22   | Identified the ring "Puhod" {rN+ rCorr}
337711 | Zig:22   | Identified the +6 scale mail "Izesoqim" {Fly rPois Will+}
337747 | Zig:22   | Identified the amulet "Doxesch" {Faith Dex+6}
337755 | Zig:22   | Identified the ring "Naxepame" {AC+4 Int+4 Dex+2}
337765 | Zig:22   | Identified the amulet of Ewoff {Faith -Cast +Blink rF-
                  | Str+8}
337876 | Zig:23   | Entered Level 23 of a ziggurat
337900 | Zig:23   | Noticed an ancient lich
337902 | Zig:23   | Killed an ancient lich
337934 | Zig:23   | Killed a starcursed mass
337941 | Zig:23   | Identified the amulet of Lois {Spirit rPois rN+ Dex+5}
337960 | Zig:23   | Identified the +1 shortbow of Paepp {flame, rCorr Stlth+}
337967 | Zig:23   | Identified the staff of Imaly {rF+ Int+2 Fire}
337976 | Zig:23   | Identified the +3 lajatang of the Burning Dove {freeze,
                  | Fly}
337996 | Zig:23   | Identified the +1 shortbow "Eviscerator" {heavy, rElec
                  | Will- Int+6}
338045 | Zig:23   | Identified the +0 pair of boots "Pememovi" {Str+3 Slay+2}
338056 | Zig:23   | Identified the staff of Spontaneous Combustion {*Slow rElec
                  | Will++ Str+3 Air}
338060 | Zig:23   | Identified the +1 helmet of Polish {rElec rC++ MP+9 Stlth-}
338063 | Zig:23   | Identified the ring "Cymeso" {^Drain rN+ rCorr Str+4}
338083 | Zig:23   | Identified the +3 scale mail "Nimues" {Dex+2}
338095 | Zig:23   | Identified the +2 dire flail "Toethiew" {protect, rPois
                  | rF+}
338096 | Zig:23   | Identified the +0 robe of Sophism {rF- Dex+4}
338100 | Zig:23   | Identified the +5 long sword of Skirmishing {drain, rPois
                  | rC+ Str+6}
338102 | Zig:23   | Identified the +6 long sword "Roek" {flame, rElec rN+++
                  | Int-3 Stlth+}
338107 | Zig:23   | Identified the +3 eudemon blade of Sekhloy {holy, *Noise
                  | rElec Int+5}
338507 | Zig:23   | Identified the +9 falchion of Calculation {flame, rElec
                  | rPois rC-}
338527 | Zig:23   | Identified the +0 mace "Pemef" {speed, *Rage rC+ rCorr}
338555 | Zig:24   | Entered Level 24 of a ziggurat
338640 | Zig:24   | Identified the +2 great sword "Yzxom" {freeze, Int+4}
338642 | Zig:24   | Identified the +2 dagger "Duext" {speed, rElec Will+++
                  | Str-2}
338644 | Zig:24   | Identified the +9 long sword "Giantbane" {flame, ^Drain
                  | Will+++ rCorr Stlth-}
339031 | Zig:24   | Identified the +5 spear of the Warrior-Mage {antimagic, rC-
                  | rCorr Dex+3}
339035 | Zig:24   | Identified the +3 helmet of Restlessness {Rampage rElec rF-
                  | Str+4}
339041 | Zig:24   | Identified the ring "Suuriyme" {Fire Str+3}
339043 | Zig:24   | Identified the +7 falchion "Popnet" {flame, Str+2}
339046 | Zig:24   | Identified the +4 scale mail "Lausm" {Dex+6}
339058 | Zig:24   | Identified the +8 great sword "Transmigrator" {speed, rC+
                  | Int-3 Dex+3}
339060 | Zig:24   | Identified the +2 mace of the Lair of Beasts {freeze,
                  | rElec}
339084 | Zig:24   | Identified the ring "Piepp" {Wiz rCorr}
339089 | Zig:24   | Identified the ring "Ikoi" {rElec rPois rF+ rN+ Int+5}
339211 | Zig:25   | Entered Level 25 of a ziggurat
339211 | Zig:25   | Noticed a dread lich
339211 | Zig:25   | Noticed an ancient lich
339211 | Zig:25   | Noticed an ancient lich
339212 | Zig:25   | Killed an ancient lich
339212 | Zig:25   | Killed a dread lich
339213 | Zig:25   | Killed an ancient lich
339222 | Zig:25   | Noticed an ancient lich
339224 | Zig:25   | Killed an ancient lich
339328 | Zig:25   | Identified the staff "Sobbim" {rElec rC+ Str+2 SInv Ice}
339332 | Zig:25   | Identified the +3 glaive "Xennihu" {freeze, rC+ Str+3}
339333 | Zig:25   | Identified the +6 short sword "Doac" {drain, rF+ rC+ rN+}
339343 | Zig:25   | Identified the ring of the Imp {^Drain rF- rN+ Int+3 Dex+8}
339353 | Zig:25   | Identified the staff "Eppyuvuh" {^Drain rPois Str+9 Conj
                  | Alchemy}
339361 | Zig:25   | Identified the +4 mace of a volcano {elec, Will+}
339362 | Zig:25   | Identified the +1 acid dragon scales of Radghaol {Harm rC-
                  | rN+ rCorr Int+2}
339363 | Zig:25   | Identified the +7 mace of Nightmares {flame, rF++ rC-
                  | Int+4}
339432 | Zig:25   | Identified the ring "Zileqauq" {Fly rF+}
339760 | Zig:25   | Identified the +6 dire flail "Melitsis" {protect, Str+2
                  | Dex+3 SInv}
339761 | Zig:25   | Identified the amulet of Light {Spirit rC+ rN+ Int+4 SInv}
339764 | Zig:25   | Identified the +5 sling "Jaogeh" {elec, Str+3 SInv}
339769 | Zig:25   | Identified the +6 flail of Agebuniy {spect, rF- Str+6}
339773 | Zig:25   | Identified the +0 falchion of Undoing {elec, rN++}
339779 | Zig:25   | Identified the +5 trident of Noon {drain, Str+5}
339783 | Zig:25   | Identified the +4 rapier "Lerou" {spect, MP+9 Stlth+}
339829 | Zig:26   | Entered Level 26 of a ziggurat
339829 | Zig:26   | Noticed an orb of fire
339829 | Zig:26   | Noticed an orb of fire
339829 | Zig:26   | Noticed an orb of fire
339829 | Zig:26   | Noticed an orb of fire
339829 | Zig:26   | Noticed an orb of fire
339829 | Zig:26   | Noticed an orb of fire
339829 | Zig:26   | Noticed an orb of fire
339829 | Zig:26   | Noticed an orb of fire
339829 | Zig:26   | Noticed an orb of fire
339829 | Zig:26   | Noticed an orb of fire
339829 | Zig:26   | Noticed an orb of fire
339829 | Zig:26   | Noticed an orb of fire
339829 | Zig:26   | Noticed an orb of fire
339829 | Zig:26   | Noticed an orb of fire
339829 | Zig:26   | Noticed an orb of fire
339829 | Zig:26   | Noticed an orb of fire
339829 | Zig:26   | Noticed an orb of fire
339829 | Zig:26   | Noticed an orb of fire
339829 | Zig:26   | Noticed an orb of fire
339829 | Zig:26   | Noticed an orb of fire
339829 | Zig:26   | Noticed an orb of fire
339829 | Zig:26   | Noticed an orb of fire
339829 | Zig:26   | Noticed an orb of fire
339829 | Zig:26   | Noticed an orb of fire
339829 | Zig:26   | Noticed an orb of fire
339829 | Zig:26   | Noticed an orb of fire
339830 | Zig:26   | Noticed an orb of fire
339831 | Zig:26   | Noticed an orb of fire
339832 | Zig:26   | Killed an orb of fire
339832 | Zig:26   | Killed an orb of fire
339832 | Zig:26   | Killed an orb of fire
339832 | Zig:26   | Noticed an orb of fire
339832 | Zig:26   | Noticed an orb of fire
339833 | Zig:26   | Killed an orb of fire
339833 | Zig:26   | Killed an orb of fire
339833 | Zig:26   | Killed an orb of fire
339833 | Zig:26   | Killed an orb of fire
339833 | Zig:26   | Killed an orb of fire
339833 | Zig:26   | Killed an orb of fire
339833 | Zig:26   | Killed an orb of fire
339833 | Zig:26   | Killed an orb of fire
339834 | Zig:26   | Noticed an orb of fire
339834 | Zig:26   | Noticed an orb of fire
339834 | Zig:26   | Noticed an orb of fire
339834 | Zig:26   | Noticed an orb of fire
339834 | Zig:26   | Killed an orb of fire
339834 | Zig:26   | Killed an orb of fire
339835 | Zig:26   | Noticed an orb of fire
339835 | Zig:26   | Killed an orb of fire
339835 | Zig:26   | Killed an orb of fire
339835 | Zig:26   | Killed an orb of fire
339835 | Zig:26   | Killed an orb of fire
339835 | Zig:26   | Noticed an orb of fire
339835 | Zig:26   | Noticed an orb of fire
339835 | Zig:26   | Noticed an orb of fire
339836 | Zig:26   | Noticed an orb of fire
339836 | Zig:26   | Noticed an orb of fire
339836 | Zig:26   | Noticed an orb of fire
339836 | Zig:26   | Noticed an orb of fire
339836 | Zig:26   | Killed an orb of fire
339836 | Zig:26   | Killed an orb of fire
339836 | Zig:26   | Killed an orb of fire
339836 | Zig:26   | Noticed an orb of fire
339837 | Zig:26   | Killed an orb of fire
339837 | Zig:26   | Killed an orb of fire
339837 | Zig:26   | Killed an orb of fire
339837 | Zig:26   | Killed an orb of fire
339837 | Zig:26   | Killed an orb of fire
339837 | Zig:26   | Killed an orb of fire
339837 | Zig:26   | Killed an orb of fire
339837 | Zig:26   | Killed an orb of fire
339837 | Zig:26   | Killed an orb of fire
339837 | Zig:26   | Noticed an orb of fire
339837 | Zig:26   | Noticed an orb of fire
339838 | Zig:26   | Noticed an orb of fire
339838 | Zig:26   | Noticed an orb of fire
339838 | Zig:26   | Noticed an orb of fire
339838 | Zig:26   | Killed an orb of fire
339838 | Zig:26   | Noticed an orb of fire
339838 | Zig:26   | Noticed an orb of fire
339838 | Zig:26   | Noticed an orb of fire
339839 | Zig:26   | Noticed an orb of fire
339839 | Zig:26   | Killed an orb of fire
339839 | Zig:26   | Killed an orb of fire
339839 | Zig:26   | Noticed an orb of fire
339840 | Zig:26   | Noticed an orb of fire
339840 | Zig:26   | Killed an orb of fire
339840 | Zig:26   | Killed an orb of fire
339840 | Zig:26   | Killed an orb of fire
339840 | Zig:26   | Killed an orb of fire
339840 | Zig:26   | Killed an orb of fire
339840 | Zig:26   | Noticed an orb of fire
339841 | Zig:26   | Noticed an orb of fire
339841 | Zig:26   | Killed an orb of fire
339841 | Zig:26   | Killed an orb of fire
339841 | Zig:26   | Killed an orb of fire
339841 | Zig:26   | Killed an orb of fire
339841 | Zig:26   | Killed an orb of fire
339841 | Zig:26   | Killed an orb of fire
339841 | Zig:26   | Killed an orb of fire
339841 | Zig:26   | Noticed an orb of fire
339842 | Zig:26   | Killed an orb of fire
339842 | Zig:26   | Killed an orb of fire
339842 | Zig:26   | Noticed an orb of fire
339843 | Zig:26   | Killed an orb of fire
339843 | Zig:26   | Killed an orb of fire
339843 | Zig:26   | Killed an orb of fire
339843 | Zig:26   | Killed an orb of fire
339843 | Zig:26   | Killed an orb of fire
339844 | Zig:26   | Noticed an orb of fire
339844 | Zig:26   | Noticed an orb of fire
339844 | Zig:26   | Noticed an orb of fire
339844 | Zig:26   | Noticed an orb of fire
339844 | Zig:26   | Noticed an orb of fire
339844 | Zig:26   | Noticed an orb of fire
339844 | Zig:26   | Noticed an orb of fire
339845 | Zig:26   | Killed an orb of fire
339845 | Zig:26   | Killed an orb of fire
339845 | Zig:26   | Killed an orb of fire
339845 | Zig:26   | Killed an orb of fire
339845 | Zig:26   | Noticed an orb of fire
339845 | Zig:26   | Noticed an orb of fire
339846 | Zig:26   | Noticed an orb of fire
339846 | Zig:26   | Noticed an orb of fire
339847 | Zig:26   | Noticed an orb of fire
339847 | Zig:26   | Killed an orb of fire
339847 | Zig:26   | Noticed an orb of fire
339848 | Zig:26   | Noticed an orb of fire
339848 | Zig:26   | Noticed an orb of fire
339848 | Zig:26   | Noticed an orb of fire
339848 | Zig:26   | Noticed an orb of fire
339848 | Zig:26   | Noticed an orb of fire
339848 | Zig:26   | Noticed an orb of fire
339849 | Zig:26   | Noticed an orb of fire
339849 | Zig:26   | Killed an orb of fire
339849 | Zig:26   | Killed an orb of fire
339849 | Zig:26   | Killed an orb of fire
339849 | Zig:26   | Killed an orb of fire
339849 | Zig:26   | Killed an orb of fire
339849 | Zig:26   | Killed an orb of fire
339850 | Zig:26   | Killed an orb of fire
339850 | Zig:26   | Killed an orb of fire
339850 | Zig:26   | Killed an orb of fire
339850 | Zig:26   | Killed an orb of fire
339851 | Zig:26   | Noticed an orb of fire
339852 | Zig:26   | Killed an orb of fire
339852 | Zig:26   | Killed an orb of fire
339852 | Zig:26   | Killed an orb of fire
339852 | Zig:26   | Killed an orb of fire
339852 | Zig:26   | Killed an orb of fire
339852 | Zig:26   | Killed an orb of fire
339852 | Zig:26   | Killed an orb of fire
339852 | Zig:26   | Noticed an orb of fire
339853 | Zig:26   | Noticed an orb of fire
339853 | Zig:26   | Noticed an orb of fire
339853 | Zig:26   | Noticed an orb of fire
339853 | Zig:26   | Noticed an orb of fire
339853 | Zig:26   | Noticed an orb of fire
339853 | Zig:26   | Noticed an orb of fire
339853 | Zig:26   | Noticed an orb of fire
339854 | Zig:26   | Killed an orb of fire
339854 | Zig:26   | Killed an orb of fire
339854 | Zig:26   | Killed an orb of fire
339854 | Zig:26   | Noticed an orb of fire
339854 | Zig:26   | Noticed an orb of fire
339855 | Zig:26   | Noticed an orb of fire
339855 | Zig:26   | Noticed an orb of fire
339855 | Zig:26   | Noticed an orb of fire
339855 | Zig:26   | Noticed an orb of fire
339856 | Zig:26   | Noticed an orb of fire
339856 | Zig:26   | Killed an orb of fire
339856 | Zig:26   | Killed an orb of fire
339856 | Zig:26   | Noticed an orb of fire
339856 | Zig:26   | Noticed an orb of fire
339857 | Zig:26   | Noticed an orb of fire
339857 | Zig:26   | Noticed an orb of fire
339857 | Zig:26   | Noticed an orb of fire
339858 | Zig:26   | Killed an orb of fire
339858 | Zig:26   | Killed an orb of fire
339858 | Zig:26   | Killed an orb of fire
339858 | Zig:26   | Killed an orb of fire
339858 | Zig:26   | Killed an orb of fire
339858 | Zig:26   | Killed an orb of fire
339859 | Zig:26   | Killed an orb of fire
339859 | Zig:26   | Killed an orb of fire
339859 | Zig:26   | Killed an orb of fire
339859 | Zig:26   | Noticed an orb of fire
339860 | Zig:26   | Noticed an orb of fire
339860 | Zig:26   | Noticed an orb of fire
339860 | Zig:26   | Noticed an orb of fire
339861 | Zig:26   | Noticed an orb of fire
339862 | Zig:26   | Killed an orb of fire
339862 | Zig:26   | Killed an orb of fire
339862 | Zig:26   | Killed an orb of fire
339862 | Zig:26   | Killed an orb of fire
339862 | Zig:26   | Killed an orb of fire
339862 | Zig:26   | Noticed an orb of fire
339863 | Zig:26   | Killed an orb of fire
339863 | Zig:26   | Killed an orb of fire
339863 | Zig:26   | Killed an orb of fire
339863 | Zig:26   | Killed an orb of fire
339865 | Zig:26   | Killed an orb of fire
339865 | Zig:26   | Killed an orb of fire
339865 | Zig:26   | Killed an orb of fire
339865 | Zig:26   | Killed an orb of fire
339867 | Zig:26   | Noticed an orb of fire
339867 | Zig:26   | Killed an orb of fire
339867 | Zig:26   | Killed an orb of fire
339867 | Zig:26   | Killed an orb of fire
339869 | Zig:26   | Killed an orb of fire
339869 | Zig:26   | Killed an orb of fire
339876 | Zig:26   | Killed an orb of fire
339881 | Zig:26   | Identified the +1 great sword of Duynn {vamp, Str+2}
340406 | Zig:26   | Identified the +0 leather armour of Wuofe {rF++ Int-4}
340418 | Zig:26   | Identified the amulet of Greed {Acrobat rPois}
340437 | Zig:26   | Identified the ring of Palosout {Fire rN+ rCorr Dex+2}
340439 | Zig:26   | Identified the +0 trident of Frustration {freeze, rPois
                  | Str+2 Stlth-}
340448 | Zig:26   | Identified the +0 shortbow of the Unspeakable One {elec,
                  | Dex-4 SInv Stlth+}
340450 | Zig:26   | Identified the +8 hand axe of Posoyfux {freeze, *Rage rPois
                  | Str+2}
340459 | Zig:26   | Identified the +8 chain mail of Divine Compulsion {rF+
                  | Regen+ Int+2 Dex+4}
340466 | Zig:26   | Identified the +5 eudemon blade "Hetopula" {holy, rPois
                  | Int+3 Dex+4}
340538 | Zig:27   | Entered Level 27 of a ziggurat
340538 | Zig:27   | Noticed an ancient lich
340538 | Zig:27   | Noticed an ancient lich
340538 | Zig:27   | Noticed a dread lich
340538 | Zig:27   | Noticed an ancient lich
340538 | Zig:27   | Noticed an ancient lich
340538 | Zig:27   | Noticed a dread lich
340538 | Zig:27   | Noticed a dread lich
340538 | Zig:27   | Noticed an ancient lich
340538 | Zig:27   | Noticed an ancient lich
340538 | Zig:27   | Noticed a dread lich
340538 | Zig:27   | Noticed an ancient lich
340538 | Zig:27   | Noticed a dread lich
340538 | Zig:27   | Noticed a dread lich
340538 | Zig:27   | Noticed an ancient lich
340538 | Zig:27   | Noticed a dread lich
340538 | Zig:27   | Noticed an ancient lich
340538 | Zig:27   | Noticed an ancient lich
340538 | Zig:27   | Noticed an ancient lich
340538 | Zig:27   | Noticed an ancient lich
340538 | Zig:27   | Noticed a dread lich
340538 | Zig:27   | Noticed an ancient lich
340538 | Zig:27   | Noticed a dread lich
340538 | Zig:27   | Noticed a dread lich
340538 | Zig:27   | Noticed a dread lich
340538 | Zig:27   | Noticed an ancient lich
340539 | Zig:27   | Killed an ancient lich
340539 | Zig:27   | Killed an ancient lich
340539 | Zig:27   | Killed an ancient lich
340539 | Zig:27   | Killed an ancient lich
340539 | Zig:27   | Killed an ancient lich
340539 | Zig:27   | Killed a dread lich
340539 | Zig:27   | Killed a dread lich
340539 | Zig:27   | Killed an ancient lich
340539 | Zig:27   | Killed a dread lich
340539 | Zig:27   | Killed an ancient lich
340539 | Zig:27   | Killed a dread lich
340540 | Zig:27   | Killed a dread lich
340540 | Zig:27   | Killed a dread lich
340540 | Zig:27   | Killed a dread lich
340540 | Zig:27   | Killed a dread lich
340540 | Zig:27   | Killed an ancient lich
340540 | Zig:27   | Killed an ancient lich
340540 | Zig:27   | Killed an ancient lich
340540 | Zig:27   | Killed an ancient lich
340540 | Zig:27   | Killed a dread lich
340540 | Zig:27   | Killed an ancient lich
340540 | Zig:27   | Killed an ancient lich
340540 | Zig:27   | Killed an ancient lich
340540 | Zig:27   | Killed a dread lich
340540 | Zig:27   | Killed a dread lich
340541 | Zig:27   | Noticed a dread lich
340542 | Zig:27   | Killed a dread lich
340543 | Zig:27   | Noticed a dread lich
340543 | Zig:27   | Noticed an ancient lich
340543 | Zig:27   | Noticed a dread lich
340543 | Zig:27   | Noticed a dread lich
340543 | Zig:27   | Noticed an ancient lich
340543 | Zig:27   | Noticed an ancient lich
340544 | Zig:27   | Killed an ancient lich
340544 | Zig:27   | Killed a dread lich
340544 | Zig:27   | Killed an ancient lich
340544 | Zig:27   | Killed an ancient lich
340544 | Zig:27   | Killed a dread lich
340545 | Zig:27   | Killed a dread lich
340545 | Zig:27   | Noticed a dread lich
340545 | Zig:27   | Noticed an ancient lich
340545 | Zig:27   | Noticed a dread lich
340546 | Zig:27   | Noticed an ancient lich
340546 | Zig:27   | Noticed an ancient lich
340546 | Zig:27   | Noticed a dread lich
340547 | Zig:27   | Noticed an ancient lich
340547 | Zig:27   | Killed an ancient lich
340547 | Zig:27   | Killed an ancient lich
340547 | Zig:27   | Killed a dread lich
340547 | Zig:27   | Killed an ancient lich
340548 | Zig:27   | Killed a dread lich
340548 | Zig:27   | Killed a dread lich
340548 | Zig:27   | Noticed an ancient lich
340548 | Zig:27   | Noticed a dread lich
340548 | Zig:27   | Noticed a dread lich
340549 | Zig:27   | Noticed a dread lich
340549 | Zig:27   | Noticed an ancient lich
340549 | Zig:27   | Noticed an ancient lich
340549 | Zig:27   | Noticed a dread lich
340550 | Zig:27   | Noticed an ancient lich
340550 | Zig:27   | Killed a dread lich
340551 | Zig:27   | Killed an ancient lich
340551 | Zig:27   | Killed an ancient lich
340551 | Zig:27   | Killed an ancient lich
340551 | Zig:27   | Killed a dread lich
340551 | Zig:27   | Killed an ancient lich
340551 | Zig:27   | Killed an ancient lich
340551 | Zig:27   | Killed a dread lich
340551 | Zig:27   | Noticed an ancient lich
340551 | Zig:27   | Noticed an ancient lich
340552 | Zig:27   | Noticed a dread lich
340553 | Zig:27   | Killed a dread lich
340553 | Zig:27   | Killed an ancient lich
340553 | Zig:27   | Killed an ancient lich
340553 | Zig:27   | Noticed an ancient lich
340553 | Zig:27   | Noticed an ancient lich
340554 | Zig:27   | Killed a dread lich
340554 | Zig:27   | Killed an ancient lich
340554 | Zig:27   | Noticed an ancient lich
340554 | Zig:27   | Noticed a dread lich
340554 | Zig:27   | Noticed an ancient lich
340555 | Zig:27   | Noticed an ancient lich
340555 | Zig:27   | Noticed a dread lich
340555 | Zig:27   | Noticed an ancient lich
340555 | Zig:27   | Noticed an ancient lich
340556 | Zig:27   | Killed an ancient lich
340556 | Zig:27   | Killed an ancient lich
340556 | Zig:27   | Killed an ancient lich
340556 | Zig:27   | Killed an ancient lich
340556 | Zig:27   | Noticed a dread lich
340556 | Zig:27   | Noticed an ancient lich
340557 | Zig:27   | Killed a dread lich
340557 | Zig:27   | Killed an ancient lich
340557 | Zig:27   | Killed an ancient lich
340557 | Zig:27   | Killed a dread lich
340557 | Zig:27   | Killed a dread lich
340557 | Zig:27   | Killed an ancient lich
340557 | Zig:27   | Noticed an ancient lich
340557 | Zig:27   | Noticed a dread lich
340558 | Zig:27   | Noticed a dread lich
340558 | Zig:27   | Noticed a dread lich
340558 | Zig:27   | Noticed a dread lich
340558 | Zig:27   | Noticed a dread lich
340559 | Zig:27   | Killed an ancient lich
340559 | Zig:27   | Killed a dread lich
340559 | Zig:27   | Noticed a dread lich
340560 | Zig:27   | Noticed a dread lich
340560 | Zig:27   | Killed a dread lich
340560 | Zig:27   | Killed a dread lich
340560 | Zig:27   | Killed a dread lich
340560 | Zig:27   | Killed a dread lich
340560 | Zig:27   | Killed a dread lich
340560 | Zig:27   | Noticed an ancient lich
340560 | Zig:27   | Noticed a dread lich
340561 | Zig:27   | Noticed a dread lich
340561 | Zig:27   | Noticed a dread lich
340561 | Zig:27   | Noticed a dread lich
340561 | Zig:27   | Noticed a dread lich
340561 | Zig:27   | Noticed a dread lich
340562 | Zig:27   | Killed a dread lich
340562 | Zig:27   | Killed a dread lich
340562 | Zig:27   | Noticed a dread lich
340563 | Zig:27   | Noticed an ancient lich
340563 | Zig:27   | Killed an ancient lich
340563 | Zig:27   | Killed a dread lich
340563 | Zig:27   | Killed a dread lich
340563 | Zig:27   | Killed a dread lich
340563 | Zig:27   | Killed a dread lich
340563 | Zig:27   | Killed an ancient lich
340563 | Zig:27   | Killed a dread lich
340563 | Zig:27   | Noticed an ancient lich
340563 | Zig:27   | Noticed a dread lich
340563 | Zig:27   | Noticed an ancient lich
340563 | Zig:27   | Noticed an ancient lich
340564 | Zig:27   | Noticed a dread lich
340564 | Zig:27   | Noticed a dread lich
340564 | Zig:27   | Noticed an ancient lich
340564 | Zig:27   | Noticed a dread lich
340564 | Zig:27   | Noticed an ancient lich
340564 | Zig:27   | Noticed an ancient lich
340564 | Zig:27   | Noticed an ancient lich
340564 | Zig:27   | Noticed an ancient lich
340565 | Zig:27   | Killed a dread lich
340565 | Zig:27   | Killed an ancient lich
340565 | Zig:27   | Killed an ancient lich
340565 | Zig:27   | Killed an ancient lich
340565 | Zig:27   | Killed an ancient lich
340565 | Zig:27   | Killed a dread lich
340565 | Zig:27   | Killed an ancient lich
340565 | Zig:27   | Killed a dread lich
340565 | Zig:27   | Noticed an ancient lich
340566 | Zig:27   | Killed an ancient lich
340566 | Zig:27   | Killed a dread lich
340566 | Zig:27   | Killed an ancient lich
340566 | Zig:27   | Killed an ancient lich
340566 | Zig:27   | Killed a dread lich
340566 | Zig:27   | Noticed a dread lich
340566 | Zig:27   | Noticed a dread lich
340567 | Zig:27   | Noticed an ancient lich
340567 | Zig:27   | Noticed a dread lich
340567 | Zig:27   | Noticed a dread lich
340567 | Zig:27   | Noticed an ancient lich
340567 | Zig:27   | Noticed a dread lich
340567 | Zig:27   | Noticed a dread lich
340567 | Zig:27   | Noticed a dread lich
340568 | Zig:27   | Killed a dread lich
340568 | Zig:27   | Killed an ancient lich
340568 | Zig:27   | Killed a dread lich
340568 | Zig:27   | Killed a dread lich
340568 | Zig:27   | Killed a dread lich
340568 | Zig:27   | Killed an ancient lich
340568 | Zig:27   | Killed a dread lich
340568 | Zig:27   | Noticed a dread lich
340568 | Zig:27   | Noticed a dread lich
340569 | Zig:27   | Killed a dread lich
340569 | Zig:27   | Killed a dread lich
340569 | Zig:27   | Killed an ancient lich
340569 | Zig:27   | Killed a dread lich
340569 | Zig:27   | Noticed an ancient lich
340570 | Zig:27   | Noticed an ancient lich
340571 | Zig:27   | Killed an ancient lich
340571 | Zig:27   | Killed a dread lich
340572 | Zig:27   | Killed an ancient lich
340572 | Zig:27   | Noticed a dread lich
340572 | Zig:27   | Noticed an ancient lich
340573 | Zig:27   | Noticed a dread lich
340573 | Zig:27   | Noticed a dread lich
340573 | Zig:27   | Noticed an ancient lich
340574 | Zig:27   | Killed an ancient lich
340574 | Zig:27   | Killed an ancient lich
340574 | Zig:27   | Killed a dread lich
340574 | Zig:27   | Killed a dread lich
340574 | Zig:27   | Noticed a dread lich
340575 | Zig:27   | Killed a dread lich
340575 | Zig:27   | Noticed a dread lich
340575 | Zig:27   | Noticed a dread lich
340576 | Zig:27   | Noticed a dread lich
340577 | Zig:27   | Killed a dread lich
340577 | Zig:27   | Killed a dread lich
340578 | Zig:27   | Killed a dread lich
340578 | Zig:27   | Killed a dread lich
340579 | Zig:27   | Noticed an ancient lich
340579 | Zig:27   | Noticed an ancient lich
340579 | Zig:27   | Noticed an ancient lich
340580 | Zig:27   | Killed an ancient lich
340580 | Zig:27   | Killed an ancient lich
340582 | Zig:27   | Killed an ancient lich
340619 | Zig:27   | Identified the +5 hand axe "Aubergine" {freeze, rF++ rN+
                  | Stlth-}
340621 | Zig:27   | Identified the amulet of Finality {RegenMP Regen+ Str+2
                  | Stlth+}
340623 | Zig:27   | Identified the amulet of the Will of the Gods {RegenMP
                  | Int+8}
340632 | Zig:27   | Identified the +2 glaive of Qades {venom, rElec Str-3
                  | Dex+2}
340645 | Zig:27   | Identified the ring "Cytziug" {rF+ Will+ Dex+2}
340647 | Zig:27   | Identified the ring "Taziunn" {rN+ Int+3}
340721 | Zig:27   | Identified the quicksilver dragon scales of Wonygidd
                  | {Rampage Fly Will+}
340722 | Zig:27   | Identified the +12 orcbow of Grandeur {drain, rElec rC+
                  | rCorr}
341190 | Zig:1    | Entered Level 1 of a ziggurat
341310 | Zig:2    | Entered Level 2 of a ziggurat
341310 | Zig:2    | Noticed a royal mummy
341310 | Zig:2    | Noticed a royal mummy
341310 | Zig:2    | Noticed a royal mummy
341312 | Zig:2    | Noticed a royal mummy
341313 | Zig:2    | Killed a royal mummy
341313 | Zig:2    | Killed a royal mummy
341313 | Zig:2    | Killed a royal mummy
341313 | Zig:2    | Noticed a royal mummy
341314 | Zig:2    | Noticed a royal mummy
341315 | Zig:2    | Killed a royal mummy
341317 | Zig:2    | Killed a royal mummy
341317 | Zig:2    | Killed a royal mummy
341464 | Zig:3    | Entered Level 3 of a ziggurat
341501 | Zig:3    | Identified the +4 ring mail of Responsibility {+Blink Str+5
                  | Int-3}
341515 | Zig:3    | Identified the +5 whip "Jesemp" {flame, *Rage rElec rN++
                  | rCorr}
341519 | Zig:3    | Identified the +4 eudemon blade "Arcanum" {holy, ^Fragile
                  | rPois rCorr Str+3}
341525 | Zig:3    | Identified the +3 rapier "Demonbane" {drain, rN++ rCorr
                  | Dex+4}
341619 | Zig:4    | Entered Level 4 of a ziggurat
341619 | Zig:4    | Noticed an ancient lich
341619 | Zig:4    | Noticed a dread lich
341619 | Zig:4    | Noticed a dread lich
341619 | Zig:4    | Noticed an ancient lich
341619 | Zig:4    | Noticed a dread lich
341619 | Zig:4    | Noticed a dread lich
341619 | Zig:4    | Noticed a dread lich
341619 | Zig:4    | Noticed an ancient lich
341619 | Zig:4    | Noticed an ancient lich
341619 | Zig:4    | Noticed an ancient lich
341620 | Zig:4    | Killed an ancient lich
341620 | Zig:4    | Killed an ancient lich
341621 | Zig:4    | Killed a dread lich
341621 | Zig:4    | Killed a dread lich
341621 | Zig:4    | Killed a dread lich
341621 | Zig:4    | Killed an ancient lich
341621 | Zig:4    | Killed a dread lich
341621 | Zig:4    | Killed a dread lich
341621 | Zig:4    | Killed an ancient lich
341621 | Zig:4    | Noticed a dread lich
341622 | Zig:4    | Noticed an ancient lich
341623 | Zig:4    | Killed an ancient lich
341623 | Zig:4    | Killed an ancient lich
341624 | Zig:4    | Noticed an ancient lich
341628 | Zig:4    | Killed an ancient lich
341628 | Zig:4    | Killed a dread lich
341731 | Zig:4    | Identified the +0 chain mail of Kuximy {Int-4 Dex+5 SInv}
341736 | Zig:4    | Identified the +4 scimitar of Nemelex Xobeh's Grace {heavy,
                  | *Corrode rElec rN+ Str+4}
341766 | Zig:5    | Entered Level 5 of a ziggurat
341822 | Zig:5    | Identified the ring of Nepnouh {AC+4 Str+3 Stlth+}
341957 | Zig:6    | Entered Level 6 of a ziggurat
342157 | Zig:6    | Identified the staff of War {rN+ Int-2 Dex+2 Conj}
342185 | Zig:7    | Entered Level 7 of a ziggurat
342199 | Zig:7    | Noticed Ykhaosk the pandemonium lord
342206 | Zig:7    | Killed Ykhaosk the pandemonium lord
342312 | Zig:7    | Identified the +2 halberd of Internal Strife {flame, rPois
                  | rCorr MP+9}
342319 | Zig:7    | Identified the +0 sling "Nume" {heavy, rC- Str+2 Stlth+}
342440 | Zig:8    | Entered Level 8 of a ziggurat
342705 | Zig:9    | Entered Level 9 of a ziggurat
342705 | Zig:9    | Noticed an ancient lich
342705 | Zig:9    | Noticed an ancient lich
342705 | Zig:9    | Noticed an ancient lich
342705 | Zig:9    | Noticed an ancient lich
342705 | Zig:9    | Noticed an ancient lich
342705 | Zig:9    | Noticed an ancient lich
342706 | Zig:9    | Killed an ancient lich
342706 | Zig:9    | Killed an ancient lich
342706 | Zig:9    | Killed an ancient lich
342706 | Zig:9    | Killed an ancient lich
342706 | Zig:9    | Killed an ancient lich
342707 | Zig:9    | Killed an ancient lich
342707 | Zig:9    | Noticed an ancient lich
342709 | Zig:9    | Killed an ancient lich
342715 | Zig:9    | Noticed an ancient lich
342716 | Zig:9    | Noticed an ancient lich
342717 | Zig:9    | Killed an ancient lich
342717 | Zig:9    | Killed an ancient lich
342718 | Zig:9    | Noticed an ancient lich
342719 | Zig:9    | Noticed an ancient lich
342720 | Zig:9    | Killed an ancient lich
342721 | Zig:9    | Killed an ancient lich
342767 | Zig:9    | Identified the amulet "Gaceq" {rPois Regen+}
342781 | Zig:9    | Identified the +10 rapier "Jiocomp" {elec, rElec Str+3}
343024 | Zig:10   | Entered Level 10 of a ziggurat
343024 | Zig:10   | Noticed a royal mummy
343024 | Zig:10   | Noticed a royal mummy
343024 | Zig:10   | Noticed a royal mummy
343024 | Zig:10   | Noticed a royal mummy
343024 | Zig:10   | Noticed a royal mummy
343024 | Zig:10   | Noticed a royal mummy
343026 | Zig:10   | Killed a royal mummy
343026 | Zig:10   | Killed a royal mummy
343026 | Zig:10   | Killed a royal mummy
343028 | Zig:10   | Killed a royal mummy
343028 | Zig:10   | Killed a royal mummy
343028 | Zig:10   | Killed a royal mummy
343028 | Zig:10   | Noticed a royal mummy
343029 | Zig:10   | Noticed a royal mummy
343029 | Zig:10   | Killed a royal mummy
343030 | Zig:10   | Noticed a royal mummy
343030 | Zig:10   | Noticed a royal mummy
343031 | Zig:10   | Noticed a royal mummy
343032 | Zig:10   | Killed a royal mummy
343034 | Zig:10   | Noticed a royal mummy
343034 | Zig:10   | Killed a royal mummy
343034 | Zig:10   | Killed a royal mummy
343034 | Zig:10   | Killed a royal mummy
343034 | Zig:10   | Noticed a royal mummy
343034 | Zig:10   | Noticed a royal mummy
343035 | Zig:10   | Noticed a royal mummy
343035 | Zig:10   | Noticed a royal mummy
343035 | Zig:10   | Noticed a royal mummy
343036 | Zig:10   | Killed a royal mummy
343038 | Zig:10   | Killed a royal mummy
343038 | Zig:10   | Killed a royal mummy
343038 | Zig:10   | Killed a royal mummy
343038 | Zig:10   | Killed a royal mummy
343038 | Zig:10   | Killed a royal mummy
343038 | Zig:10   | Noticed a royal mummy
343042 | Zig:10   | Killed a royal mummy
343266 | Zig:10   | Identified the +6 spear of Blood {heavy, *Rage Fly rCorr}
343291 | Zig:11   | Entered Level 11 of a ziggurat
343349 | Zig:11   | Identified the +8 morningstar of Lovu {venom, rElec Will+}
343361 | Zig:11   | Identified the ring of the Shishi {rC++ rCorr Str-4 Dex+6
                  | Stlth+}
343382 | Zig:11   | Identified the +0 ring mail "Xefri" {rF+}
343383 | Zig:11   | Identified the amulet of Duvanei {Reflect -Cast Will++
                  | SH+5}
343638 | Zig:12   | Entered Level 12 of a ziggurat
343638 | Zig:12   | Noticed an ancient lich
343651 | Zig:12   | Killed an ancient lich
343683 | Zig:12   | Identified the staff of Kylat {rC+ Dex+3 Ice}
343925 | Zig:12   | Identified the +4 halberd "Aritz" {elec, rElec rF- Str+3
                  | Int+7 Dex+3}
343968 | Zig:12   | Identified the +5 great sword of Chance {flame, rC+}
343979 | Zig:12   | Identified the +4 long sword "Inyssei" {spect, Str+3 Dex+3}
344005 | Zig:12   | Identified the +4 leather armour of Hatueg Fukk {rF+}
344016 | Zig:13   | Entered Level 13 of a ziggurat
344016 | Zig:13   | Noticed a dread lich
344016 | Zig:13   | Noticed an ancient lich
344016 | Zig:13   | Noticed a dread lich
344016 | Zig:13   | Noticed a dread lich
344016 | Zig:13   | Noticed a dread lich
344016 | Zig:13   | Noticed a dread lich
344016 | Zig:13   | Noticed an ancient lich
344016 | Zig:13   | Noticed a dread lich
344016 | Zig:13   | Noticed a dread lich
344016 | Zig:13   | Noticed a dread lich
344016 | Zig:13   | Noticed a dread lich
344016 | Zig:13   | Noticed a dread lich
344016 | Zig:13   | Noticed a dread lich
344016 | Zig:13   | Noticed an ancient lich
344016 | Zig:13   | Noticed a dread lich
344016 | Zig:13   | Noticed a dread lich
344016 | Zig:13   | Noticed a dread lich
344016 | Zig:13   | Noticed a dread lich
344016 | Zig:13   | Noticed a dread lich
344016 | Zig:13   | Noticed a dread lich
344016 | Zig:13   | Noticed an ancient lich
344016 | Zig:13   | Noticed an ancient lich
344016 | Zig:13   | Noticed a dread lich
344016 | Zig:13   | Noticed a dread lich
344017 | Zig:13   | Killed a dread lich
344017 | Zig:13   | Killed an ancient lich
344017 | Zig:13   | Killed a dread lich
344017 | Zig:13   | Killed a dread lich
344017 | Zig:13   | Killed an ancient lich
344017 | Zig:13   | Killed a dread lich
344017 | Zig:13   | Killed a dread lich
344017 | Zig:13   | Killed a dread lich
344017 | Zig:13   | Killed a dread lich
344017 | Zig:13   | Killed an ancient lich
344017 | Zig:13   | Killed a dread lich
344017 | Zig:13   | Killed a dread lich
344017 | Zig:13   | Killed a dread lich
344018 | Zig:13   | Killed a dread lich
344018 | Zig:13   | Killed an ancient lich
344018 | Zig:13   | Killed a dread lich
344018 | Zig:13   | Killed a dread lich
344018 | Zig:13   | Killed a dread lich
344018 | Zig:13   | Killed a dread lich
344018 | Zig:13   | Killed a dread lich
344018 | Zig:13   | Killed a dread lich
344018 | Zig:13   | Killed an ancient lich
344018 | Zig:13   | Noticed a dread lich
344019 | Zig:13   | Killed a dread lich
344019 | Zig:13   | Noticed a dread lich
344019 | Zig:13   | Noticed an ancient lich
344019 | Zig:13   | Noticed an ancient lich
344020 | Zig:13   | Noticed a dread lich
344020 | Zig:13   | Noticed an ancient lich
344020 | Zig:13   | Noticed an ancient lich
344021 | Zig:13   | Killed a dread lich
344021 | Zig:13   | Killed a dread lich
344021 | Zig:13   | Killed an ancient lich
344021 | Zig:13   | Killed an ancient lich
344021 | Zig:13   | Killed an ancient lich
344021 | Zig:13   | Noticed a dread lich
344022 | Zig:13   | Noticed an ancient lich
344022 | Zig:13   | Noticed a dread lich
344022 | Zig:13   | Noticed an ancient lich
344022 | Zig:13   | Killed a dread lich
344022 | Zig:13   | Noticed an ancient lich
344023 | Zig:13   | Killed an ancient lich
344023 | Zig:13   | Killed a dread lich
344023 | Zig:13   | Killed an ancient lich
344023 | Zig:13   | Killed an ancient lich
344024 | Zig:13   | Noticed an ancient lich
344024 | Zig:13   | Noticed an ancient lich
344025 | Zig:13   | Noticed an ancient lich
344025 | Zig:13   | Killed an ancient lich
344025 | Zig:13   | Killed a dread lich
344025 | Zig:13   | Killed an ancient lich
344025 | Zig:13   | Killed an ancient lich
344025 | Zig:13   | Killed a dread lich
344025 | Zig:13   | Noticed an ancient lich
344026 | Zig:13   | Noticed an ancient lich
344026 | Zig:13   | Noticed a dread lich
344026 | Zig:13   | Noticed an ancient lich
344026 | Zig:13   | Noticed a dread lich
344027 | Zig:13   | Killed an ancient lich
344027 | Zig:13   | Killed an ancient lich
344027 | Zig:13   | Killed an ancient lich
344027 | Zig:13   | Killed a dread lich
344028 | Zig:13   | Noticed a dread lich
344028 | Zig:13   | Noticed a dread lich
344028 | Zig:13   | Noticed an ancient lich
344029 | Zig:13   | Killed an ancient lich
344029 | Zig:13   | Killed a dread lich
344029 | Zig:13   | Killed a dread lich
344030 | Zig:13   | Noticed a dread lich
344031 | Zig:13   | Killed a dread lich
344031 | Zig:13   | Killed an ancient lich
344032 | Zig:13   | Noticed a dread lich
344033 | Zig:13   | Killed a dread lich
344033 | Zig:13   | Killed a dread lich
344110 | Zig:13   | Identified the staff "Kemoten" {rElec Str+4 Int-5 SInv
                  | Conj}
344111 | Zig:13   | Identified the +0 pair of gloves "Utaph" {Will+}
344112 | Zig:13   | Identified the staff "Eviscerator" {^Drain rElec rPois
                  | Str+3 Alchemy}
344117 | Zig:13   | Identified the +2 orcbow of Painful Death {freeze, Stlth+}
344143 | Zig:13   | Identified the +2 eudemon blade of Punishment {holy, rF-
                  | Int+4}
344380 | Zig:13   | Identified the +1 leather armour "Omuasak" {rElec rN+++
                  | Str-3 Int+5}
344382 | Zig:13   | Identified the +6 rapier of Butchery {heavy, Str+2 Dex+3}
344405 | Zig:14   | Entered Level 14 of a ziggurat
344405 | Zig:14   | Noticed a juggernaut
344405 | Zig:14   | Noticed a juggernaut
344405 | Zig:14   | Noticed a juggernaut
344405 | Zig:14   | Noticed a juggernaut
344405 | Zig:14   | Noticed a juggernaut
344406 | Zig:14   | Killed a juggernaut
344406 | Zig:14   | Killed a juggernaut
344406 | Zig:14   | Noticed a juggernaut
344406 | Zig:14   | Noticed a juggernaut
344407 | Zig:14   | Killed a juggernaut
344407 | Zig:14   | Killed a juggernaut
344407 | Zig:14   | Killed a juggernaut
344408 | Zig:14   | Noticed a juggernaut
344409 | Zig:14   | Killed a juggernaut
344409 | Zig:14   | Killed a juggernaut
344410 | Zig:14   | Noticed a juggernaut
344410 | Zig:14   | Noticed a juggernaut
344411 | Zig:14   | Noticed a juggernaut
344412 | Zig:14   | Noticed a juggernaut
344412 | Zig:14   | Noticed a juggernaut
344413 | Zig:14   | Killed a juggernaut
344413 | Zig:14   | Killed a juggernaut
344413 | Zig:14   | Killed a juggernaut
344413 | Zig:14   | Killed a juggernaut
344414 | Zig:14   | Noticed a juggernaut
344414 | Zig:14   | Noticed a juggernaut
344415 | Zig:14   | Killed a juggernaut
344415 | Zig:14   | Killed a juggernaut
344415 | Zig:14   | Killed a juggernaut
344415 | Zig:14   | Noticed a juggernaut
344415 | Zig:14   | Noticed a juggernaut
344416 | Zig:14   | Noticed a juggernaut
344417 | Zig:14   | Killed a juggernaut
344417 | Zig:14   | Killed a juggernaut
344418 | Zig:14   | Noticed a juggernaut
344421 | Zig:14   | Killed a juggernaut
344421 | Zig:14   | Killed a juggernaut
344421 | Zig:14   | Killed a juggernaut
344424 | Zig:14   | Noticed a juggernaut
344425 | Zig:14   | Noticed a juggernaut
344427 | Zig:14   | Killed a juggernaut
344431 | Zig:14   | Killed a juggernaut
344453 | Zig:14   | Identified the staff "Laaxewny" {*Slow rF+ rC+ Fire Air}
344457 | Zig:14   | Identified the scarf "Zehonam" {shadows, Str+4}
344668 | Zig:14   | Identified the amulet of Amelioration {rF+ rN+ Regen+ Int-4
                  | SInv}
344674 | Zig:14   | Identified the +5 sling of Actus Reus {heavy, rC+ Dex+3}
344694 | Zig:14   | Identified the amulet "Dipino" {Reflect Slay+3 SH+5}
344696 | Zig:14   | Identified the ring "Wilur" {Fire ^Contam rPois Dex+5}
344724 | Zig:14   | Identified the +6 rapier "Vepio" {heavy, rF++ rN+++ Int+3
                  | Dex-3}
344733 | Zig:14   | Identified the +0 scale mail "Myanaon" {rPois Str-5 Int+3}
344736 | Zig:14   | Identified the +8 trident of Orhiosin {freeze, rF+ Dex+3}
344753 | Zig:14   | Identified the +1 helmet of the Endless Expanse {^Contam
                  | rC++ Str+5 Stlth-}
344756 | Zig:14   | Identified the ring "Winuixu" {rPois rF- Slay+6}
344844 | Zig:15   | Entered Level 15 of a ziggurat
344935 | Zig:15   | Identified the +6 hand axe of Zin's Righteous Fury
                  | {protect, rC- Int+5}
344965 | Zig:15   | Identified the +2 hand axe of Currency {freeze, rN+ Str+2
                  | Dex+2 Stlth-}
345186 | Zig:15   | Identified the +4 spear of Victory {spect, rC+ Int+5 Dex-4}
345269 | Zig:16   | Entered Level 16 of a ziggurat
345269 | Zig:16   | Noticed Vyczusam the pandemonium lord
345269 | Zig:16   | Noticed Igiusof the pandemonium lord
345269 | Zig:16   | Noticed Komarr the pandemonium lord
345269 | Zig:16   | Noticed Xoapinao the pandemonium lord
345269 | Zig:16   | Noticed Ixedgh the pandemonium lord
345269 | Zig:16   | Noticed Qentimy the pandemonium lord
345269 | Zig:16   | Noticed Xics the pandemonium lord
345269 | Zig:16   | Noticed Texkocw the pandemonium lord
345269 | Zig:16   | Noticed Sifonyag the pandemonium lord
345269 | Zig:16   | Noticed Hogiha the pandemonium lord
345269 | Zig:16   | Noticed Limui the pandemonium lord
345269 | Zig:16   | Noticed Nucoiqoa the pandemonium lord
345269 | Zig:16   | Noticed Oseh the pandemonium lord
345269 | Zig:16   | Noticed Zofoigor the pandemonium lord
345269 | Zig:16   | Noticed Kiness the pandemonium lord
345269 | Zig:16   | Noticed Rufi the pandemonium lord
345269 | Zig:16   | Noticed Toymorog the pandemonium lord
345269 | Zig:16   | Noticed Etzu the pandemonium lord
345269 | Zig:16   | Noticed Judy the pandemonium lord
345269 | Zig:16   | Noticed Henip the pandemonium lord
345269 | Zig:16   | Noticed Texkyun the pandemonium lord
345269 | Zig:16   | Noticed Lojuol the pandemonium lord
345269 | Zig:16   | Noticed Nuoddo the pandemonium lord
345269 | Zig:16   | Noticed Roublei the pandemonium lord
345269 | Zig:16   | Noticed Konuih the pandemonium lord
345269 | Zig:16   | Noticed Wathrom the pandemonium lord
345269 | Zig:16   | Noticed Neocurhu the pandemonium lord
345271 | Zig:16   | Killed Toymorog the pandemonium lord
345271 | Zig:16   | Noticed Misiugun the pandemonium lord
345272 | Zig:16   | Noticed Geyweej the pandemonium lord
345272 | Zig:16   | Noticed Astappol the pandemonium lord
345273 | Zig:16   | Killed Kiness the pandemonium lord
345273 | Zig:16   | Killed Texkyun the pandemonium lord
345273 | Zig:16   | Killed Xics the pandemonium lord
345273 | Zig:16   | Killed Rufi the pandemonium lord
345273 | Zig:16   | Killed Roublei the pandemonium lord
345273 | Zig:16   | Killed Neocurhu the pandemonium lord
345273 | Zig:16   | Killed Nuoddo the pandemonium lord
345273 | Zig:16   | Killed Zofoigor the pandemonium lord
345274 | Zig:16   | Killed Wathrom the pandemonium lord
345274 | Zig:16   | Killed Henip the pandemonium lord
345274 | Zig:16   | Killed Vyczusam the pandemonium lord
345274 | Zig:16   | Killed Xoapinao the pandemonium lord
345274 | Zig:16   | Killed Qentimy the pandemonium lord
345274 | Zig:16   | Killed Komarr the pandemonium lord
345274 | Zig:16   | Noticed Bairgh the pandemonium lord
345274 | Zig:16   | Killed Sifonyag the pandemonium lord
345274 | Zig:16   | Killed Nucoiqoa the pandemonium lord
345274 | Zig:16   | Noticed Byarefeh the pandemonium lord
345275 | Zig:16   | Killed Lojuol the pandemonium lord
345275 | Zig:16   | Killed Igiusof the pandemonium lord
345275 | Zig:16   | Killed Misiugun the pandemonium lord
345275 | Zig:16   | Killed Texkocw the pandemonium lord
345275 | Zig:16   | Killed Geyweej the pandemonium lord
345275 | Zig:16   | Killed Hogiha the pandemonium lord
345275 | Zig:16   | Killed Limui the pandemonium lord
345275 | Zig:16   | Killed Etzu the pandemonium lord
345275 | Zig:16   | Killed Ixedgh the pandemonium lord
345275 | Zig:16   | Noticed Senameq the pandemonium lord
345275 | Zig:16   | Noticed Pulis the pandemonium lord
345275 | Zig:16   | Noticed Plog the pandemonium lord
345276 | Zig:16   | Killed Byarefeh the pandemonium lord
345276 | Zig:16   | Killed Astappol the pandemonium lord
345276 | Zig:16   | Killed Judy the pandemonium lord
345276 | Zig:16   | Killed Oseh the pandemonium lord
345276 | Zig:16   | Noticed Fexkiome the pandemonium lord
345276 | Zig:16   | Noticed Quarhip the pandemonium lord
345276 | Zig:16   | Noticed Olioboh the pandemonium lord
345277 | Zig:16   | Noticed Tim Curr the pandemonium lord
345278 | Zig:16   | Killed Konuih the pandemonium lord
345278 | Zig:16   | Noticed Ylasso the pandemonium lord
345278 | Zig:16   | Noticed Raliag the pandemonium lord
345278 | Zig:16   | Noticed Awniamef the pandemonium lord
345279 | Zig:16   | Noticed Buschakh the pandemonium lord
345279 | Zig:16   | Killed Fexkiome the pandemonium lord
345279 | Zig:16   | Noticed Runiluv the pandemonium lord
345279 | Zig:16   | Noticed Zuer the pandemonium lord
345279 | Zig:16   | Noticed Ramavyj the pandemonium lord
345280 | Zig:16   | Killed Bairgh the pandemonium lord
345280 | Zig:16   | Killed Olioboh the pandemonium lord
345280 | Zig:16   | Killed Quarhip the pandemonium lord
345280 | Zig:16   | Killed Senameq the pandemonium lord
345280 | Zig:16   | Noticed Xatu the pandemonium lord
345281 | Zig:16   | Noticed Henisuoc the pandemonium lord
345281 | Zig:16   | Killed Awniamef the pandemonium lord
345281 | Zig:16   | Killed Ramavyj the pandemonium lord
345281 | Zig:16   | Noticed Wuyk the pandemonium lord
345281 | Zig:16   | Noticed Loilum the pandemonium lord
345281 | Zig:16   | Killed Plog the pandemonium lord
345281 | Zig:16   | Noticed Jeostraf the pandemonium lord
345282 | Zig:16   | Killed Raliag the pandemonium lord
345282 | Zig:16   | Killed Jeostraf the pandemonium lord
345282 | Zig:16   | Noticed Ruzygrub the pandemonium lord
345283 | Zig:16   | Noticed Soetud the pandemonium lord
345284 | Zig:16   | Killed Buschakh the pandemonium lord
345284 | Zig:16   | Killed Ruzygrub the pandemonium lord
345284 | Zig:16   | Killed Ylasso the pandemonium lord
345285 | Zig:16   | Killed Tim Curr the pandemonium lord
345285 | Zig:16   | Killed Xatu the pandemonium lord
345285 | Zig:16   | Killed Zuer the pandemonium lord
345285 | Zig:16   | Killed Pulis the pandemonium lord
345285 | Zig:16   | Killed Runiluv the pandemonium lord
345285 | Zig:16   | Noticed Urim the pandemonium lord
345286 | Zig:16   | Noticed Inwutygh the pandemonium lord
345286 | Zig:16   | Noticed Acaetix the pandemonium lord
345286 | Zig:16   | Noticed Kesely the pandemonium lord
345287 | Zig:16   | Killed Wuyk the pandemonium lord
345287 | Zig:16   | Noticed Xoic the pandemonium lord
345287 | Zig:16   | Noticed Voit the pandemonium lord
345287 | Zig:16   | Killed Henisuoc the pandemonium lord
345287 | Zig:16   | Killed Hununod the pandemonium lord
345289 | Zig:16   | Noticed Bajaxal the pandemonium lord
345289 | Zig:16   | Killed Soetud the pandemonium lord
345289 | Zig:16   | Killed Urim the pandemonium lord
345289 | Zig:16   | Killed Acaetix the pandemonium lord
345289 | Zig:16   | Noticed Mupn the pandemonium lord
345289 | Zig:16   | Noticed Edomoef the pandemonium lord
345289 | Zig:16   | Noticed Piregiw the pandemonium lord
345290 | Zig:16   | Killed Bajaxal the pandemonium lord
345290 | Zig:16   | Killed Voit the pandemonium lord
345290 | Zig:16   | Killed Xoic the pandemonium lord
345290 | Zig:16   | Noticed Yzubeth the pandemonium lord
345290 | Zig:16   | Noticed Hyudd the pandemonium lord
345291 | Zig:16   | Killed Inwutygh the pandemonium lord
345291 | Zig:16   | Killed Edomoef the pandemonium lord
345291 | Zig:16   | Noticed Nysusk the pandemonium lord
345291 | Zig:16   | Killed Kesely the pandemonium lord
345292 | Zig:16   | Killed Piregiw the pandemonium lord
345292 | Zig:16   | Noticed Gyusirak the pandemonium lord
345293 | Zig:16   | Killed Yzubeth the pandemonium lord
345293 | Zig:16   | Noticed Nosudgh the pandemonium lord
345293 | Zig:16   | Noticed Qicis the pandemonium lord
345293 | Zig:16   | Noticed Nolyips the pandemonium lord
345295 | Zig:16   | Noticed Agun the pandemonium lord
345295 | Zig:16   | Killed Gyusirak the pandemonium lord
345295 | Zig:16   | Killed Aluek the pandemonium lord
345295 | Zig:16   | Killed Hyudd the pandemonium lord
345295 | Zig:16   | Killed Nolyips the pandemonium lord
345295 | Zig:16   | Killed Loilum the pandemonium lord
345296 | Zig:16   | Killed Qicis the pandemonium lord
345296 | Zig:16   | Killed Agun the pandemonium lord
345296 | Zig:16   | Noticed Witotit the pandemonium lord
345297 | Zig:16   | Noticed Tuorr the pandemonium lord
345298 | Zig:16   | Noticed Beodeq the pandemonium lord
345298 | Zig:16   | Noticed Hienkoin the pandemonium lord
345298 | Zig:16   | Noticed Celinu the pandemonium lord
345298 | Zig:16   | Noticed Omodubus the pandemonium lord
345298 | Zig:16   | Noticed Onuimm the pandemonium lord
345299 | Zig:16   | Killed Nosudgh the pandemonium lord
345299 | Zig:16   | Killed Nysusk the pandemonium lord
345299 | Zig:16   | Noticed Utwador the pandemonium lord
345299 | Zig:16   | Noticed Qoiw the pandemonium lord
345301 | Zig:16   | Noticed Foamnoas the pandemonium lord
345301 | Zig:16   | Noticed Rithupt the pandemonium lord
345301 | Zig:16   | Noticed Bucsusuk the pandemonium lord
345301 | Zig:16   | Noticed Adoarib the pandemonium lord
345301 | Zig:16   | Noticed Xuluxt the pandemonium lord
345301 | Zig:16   | Killed Tuorr the pandemonium lord
345302 | Zig:16   | Killed Witotit the pandemonium lord
345302 | Zig:16   | Killed Utwador the pandemonium lord
345302 | Zig:16   | Killed Qoiw the pandemonium lord
345302 | Zig:16   | Killed Celinu the pandemonium lord
345302 | Zig:16   | Killed Mupn the pandemonium lord
345302 | Zig:16   | Killed Omodubus the pandemonium lord
345302 | Zig:16   | Killed Onuimm the pandemonium lord
345303 | Zig:16   | Killed Bucsusuk the pandemonium lord
345303 | Zig:16   | Killed Hienkoin the pandemonium lord
345303 | Zig:16   | Killed Adoarib the pandemonium lord
345303 | Zig:16   | Killed Foamnoas the pandemonium lord
345303 | Zig:16   | Killed Rithupt the pandemonium lord
345303 | Zig:16   | Noticed Qal Suts the pandemonium lord
345304 | Zig:16   | Killed Xuluxt the pandemonium lord
345304 | Zig:16   | Noticed Efuawn the pandemonium lord
345305 | Zig:16   | Noticed Maboshrosm the pandemonium lord
345306 | Zig:16   | Killed Efuawn the pandemonium lord
345307 | Zig:16   | Killed Maboshrosm the pandemonium lord
345307 | Zig:16   | Noticed Hecom the pandemonium lord
345310 | Zig:16   | Killed Beodeq the pandemonium lord
345310 | Zig:16   | Noticed Syul the pandemonium lord
345311 | Zig:16   | Killed Qal Suts the pandemonium lord
345312 | Zig:16   | Killed Hecom the pandemonium lord
345313 | Zig:16   | Killed Syul the pandemonium lord
345545 | Zig:16   | Identified the staff "Nasha" {rCorr Str+2 Stlth+ Earth}
345596 | Zig:16   | Identified the +5 morningstar of Due Proportion {drain,
                  | Str-4 Int+5 Dex+3}
345635 | Zig:17   | Entered Level 17 of a ziggurat
345695 | Zig:17   | Identified the ring of the Howling King {rC+ SInv Stlth+}
345697 | Zig:17   | Identified the staff "Borphylea" {+Blink rF++ rC+ Ice}
345699 | Zig:17   | Identified the +5 rapier "Olont" {vamp, rF+}
345808 | Zig:17   | Identified the +0 pair of gloves of the Amoeba {rElec rF+++
                  | Will+ Stlth-}
345812 | Zig:17   | Identified the +1 short sword "Puttopoy" {elec, ^Fragile
                  | Will+ Int+2 Dex+4}
345817 | Zig:17   | Identified the +1 cloak "Ciuree Orivo" {rF+ rC+ Will+}
345821 | Zig:17   | Identified the +6 halberd of the Black Skies {venom, rF+
                  | Str+7}
345825 | Zig:17   | Identified the +1 scale mail of Dumamuva {rPois}
346133 | Zig:18   | Entered Level 18 of a ziggurat
346170 | Zig:18   | Identified the +9 plate armour of Miusec {Int+4}
346173 | Zig:18   | Identified the +5 war axe "Funywy" {protect, rCorr}
346204 | Zig:18   | Identified the amulet of Altruism {Spirit Regen+}
346515 | Zig:18   | Identified the amulet of Zoguq {Regen+ Str+3}
346517 | Zig:18   | Identified the staff "Ogorodet" {rPois rN+ Alchemy}
346519 | Zig:18   | Identified the +0 eudemon blade of the Crypt {holy, *Slow
                  | Int+6 SInv}
346536 | Zig:18   | Identified the +9 whip "Omelette" {drain, *Slow rElec rF++
                  | rCorr}
346537 | Zig:18   | Identified the staff "Orchac" {rC+ Will++ Ice}
346539 | Zig:18   | Identified the +0 cloak of Daisies {rPois SInv}
346561 | Zig:18   | Identified the amulet of Tulips {RegenMP *Slow rCorr MP+9}
346567 | Zig:18   | Identified the +5 battleaxe of Zauna {holy, Int+5}
346569 | Zig:18   | Identified the ring of the Lotus Blossom {rF+ rCorr Str+2
                  | Int-5}
346573 | Zig:18   | Identified the +4 ring mail "Boabraask" {rPois rCorr}
346574 | Zig:18   | Identified the staff of the Spheres {+Blink Conj}
346594 | Zig:18   | Identified the +0 ring mail of Kout {rElec Dex+3}
346609 | Zig:18   | Identified the +7 steam dragon scales of Activism {Str+4}
346639 | Zig:19   | Entered Level 19 of a ziggurat
346696 | Zig:19   | Identified the +0 battleaxe "Rifro" {venom, rCorr Dex+5
                  | Stlth-}
346705 | Zig:19   | Identified the ring of the Raven {AC+4 Int+5}
346711 | Zig:19   | Identified the +1 robe "Jysahe" {Harm rF- MP+9}
346732 | Zig:19   | Identified the +5 short sword of the Feeding Goat {venom,
                  | rPois}
346734 | Zig:19   | Identified the +7 hand axe of the Vase {venom, rC+ Str+3}
347132 | Zig:20   | Entered Level 20 of a ziggurat
347132 | Zig:20   | Noticed a dread lich
347132 | Zig:20   | Noticed an ancient lich
347132 | Zig:20   | Noticed an ancient lich
347132 | Zig:20   | Noticed a dread lich
347132 | Zig:20   | Noticed an ancient lich
347132 | Zig:20   | Noticed a dread lich
347132 | Zig:20   | Noticed an ancient lich
347132 | Zig:20   | Noticed an ancient lich
347132 | Zig:20   | Noticed an ancient lich
347132 | Zig:20   | Noticed an ancient lich
347132 | Zig:20   | Noticed an ancient lich
347132 | Zig:20   | Noticed a dread lich
347132 | Zig:20   | Noticed an ancient lich
347132 | Zig:20   | Noticed an ancient lich
347132 | Zig:20   | Noticed a dread lich
347132 | Zig:20   | Noticed an ancient lich
347132 | Zig:20   | Noticed a dread lich
347132 | Zig:20   | Noticed a dread lich
347132 | Zig:20   | Noticed a dread lich
347132 | Zig:20   | Noticed an ancient lich
347132 | Zig:20   | Noticed a dread lich
347132 | Zig:20   | Noticed a dread lich
347132 | Zig:20   | Noticed a dread lich
347132 | Zig:20   | Noticed a dread lich
347132 | Zig:20   | Noticed an ancient lich
347132 | Zig:20   | Noticed a dread lich
347132 | Zig:20   | Noticed an ancient lich
347132 | Zig:20   | Noticed an ancient lich
347132 | Zig:20   | Noticed a dread lich
347132 | Zig:20   | Noticed a dread lich
347133 | Zig:20   | Killed a dread lich
347133 | Zig:20   | Killed an ancient lich
347133 | Zig:20   | Killed a dread lich
347133 | Zig:20   | Killed a dread lich
347133 | Zig:20   | Killed an ancient lich
347133 | Zig:20   | Killed a dread lich
347133 | Zig:20   | Killed a dread lich
347133 | Zig:20   | Killed an ancient lich
347133 | Zig:20   | Killed a dread lich
347133 | Zig:20   | Killed an ancient lich
347133 | Zig:20   | Killed a dread lich
347133 | Zig:20   | Killed an ancient lich
347133 | Zig:20   | Killed an ancient lich
347133 | Zig:20   | Killed an ancient lich
347133 | Zig:20   | Killed an ancient lich
347133 | Zig:20   | Killed a dread lich
347134 | Zig:20   | Killed a dread lich
347134 | Zig:20   | Killed an ancient lich
347134 | Zig:20   | Killed a dread lich
347134 | Zig:20   | Killed a dread lich
347134 | Zig:20   | Killed an ancient lich
347134 | Zig:20   | Killed an ancient lich
347134 | Zig:20   | Killed an ancient lich
347134 | Zig:20   | Killed a dread lich
347134 | Zig:20   | Killed a dread lich
347134 | Zig:20   | Killed a dread lich
347134 | Zig:20   | Killed an ancient lich
347134 | Zig:20   | Killed an ancient lich
347134 | Zig:20   | Killed a dread lich
347134 | Zig:20   | Killed an ancient lich
347134 | Zig:20   | Noticed a dread lich
347134 | Zig:20   | Noticed an ancient lich
347134 | Zig:20   | Noticed an ancient lich
347134 | Zig:20   | Noticed an ancient lich
347134 | Zig:20   | Noticed an ancient lich
347134 | Zig:20   | Noticed an ancient lich
347137 | Zig:20   | Killed a dread lich
347137 | Zig:20   | Killed an ancient lich
347137 | Zig:20   | Killed an ancient lich
347138 | Zig:20   | Noticed an ancient lich
347138 | Zig:20   | Noticed a dread lich
347138 | Zig:20   | Noticed an ancient lich
347138 | Zig:20   | Noticed an ancient lich
347138 | Zig:20   | Noticed an ancient lich
347139 | Zig:20   | Killed an ancient lich
347139 | Zig:20   | Killed an ancient lich
347139 | Zig:20   | Killed an ancient lich
347139 | Zig:20   | Killed an ancient lich
347139 | Zig:20   | Killed an ancient lich
347139 | Zig:20   | Noticed a dread lich
347139 | Zig:20   | Noticed a dread lich
347139 | Zig:20   | Noticed a dread lich
347139 | Zig:20   | Noticed an ancient lich
347140 | Zig:20   | Noticed an ancient lich
347140 | Zig:20   | Noticed a dread lich
347140 | Zig:20   | Noticed an ancient lich
347141 | Zig:20   | Killed an ancient lich
347141 | Zig:20   | Killed an ancient lich
347141 | Zig:20   | Killed a dread lich
347141 | Zig:20   | Killed a dread lich
347141 | Zig:20   | Killed an ancient lich
347141 | Zig:20   | Killed a dread lich
347141 | Zig:20   | Killed an ancient lich
347142 | Zig:20   | Noticed an ancient lich
347142 | Zig:20   | Noticed an ancient lich
347142 | Zig:20   | Noticed an ancient lich
347142 | Zig:20   | Noticed a dread lich
347142 | Zig:20   | Killed a dread lich
347142 | Zig:20   | Noticed a dread lich
347142 | Zig:20   | Noticed an ancient lich
347142 | Zig:20   | Noticed an ancient lich
347143 | Zig:20   | Killed a dread lich
347143 | Zig:20   | Killed an ancient lich
347143 | Zig:20   | Killed an ancient lich
347143 | Zig:20   | Killed a dread lich
347143 | Zig:20   | Killed an ancient lich
347143 | Zig:20   | Killed an ancient lich
347144 | Zig:20   | Noticed a dread lich
347144 | Zig:20   | Noticed a dread lich
347144 | Zig:20   | Noticed a dread lich
347144 | Zig:20   | Noticed an ancient lich
347144 | Zig:20   | Killed an ancient lich
347145 | Zig:20   | Noticed an ancient lich
347145 | Zig:20   | Killed a dread lich
347145 | Zig:20   | Killed a dread lich
347145 | Zig:20   | Killed a dread lich
347145 | Zig:20   | Noticed a dread lich
347145 | Zig:20   | Noticed a dread lich
347145 | Zig:20   | Noticed an ancient lich
347146 | Zig:20   | Noticed a dread lich
347146 | Zig:20   | Noticed a dread lich
347146 | Zig:20   | Noticed a dread lich
347146 | Zig:20   | Noticed a dread lich
347146 | Zig:20   | Noticed an ancient lich
347147 | Zig:20   | Killed an ancient lich
347147 | Zig:20   | Killed an ancient lich
347147 | Zig:20   | Killed an ancient lich
347147 | Zig:20   | Killed a dread lich
347147 | Zig:20   | Killed a dread lich
347147 | Zig:20   | Killed a dread lich
347147 | Zig:20   | Killed a dread lich
347148 | Zig:20   | Noticed a dread lich
347148 | Zig:20   | Noticed a dread lich
347148 | Zig:20   | Noticed an ancient lich
347148 | Zig:20   | Noticed a dread lich
347148 | Zig:20   | Killed a dread lich
347149 | Zig:20   | Killed a dread lich
347149 | Zig:20   | Killed an ancient lich
347149 | Zig:20   | Killed a dread lich
347149 | Zig:20   | Killed a dread lich
347149 | Zig:20   | Killed an ancient lich
347149 | Zig:20   | Killed an ancient lich
347149 | Zig:20   | Killed a dread lich
347150 | Zig:20   | Noticed a dread lich
347150 | Zig:20   | Noticed an ancient lich
347150 | Zig:20   | Noticed a dread lich
347150 | Zig:20   | Noticed a dread lich
347150 | Zig:20   | Noticed a dread lich
347150 | Zig:20   | Noticed an ancient lich
347150 | Zig:20   | Noticed a dread lich
347151 | Zig:20   | Killed a dread lich
347151 | Zig:20   | Killed a dread lich
347151 | Zig:20   | Noticed a dread lich
347151 | Zig:20   | Noticed an ancient lich
347152 | Zig:20   | Noticed a dread lich
347152 | Zig:20   | Noticed a dread lich
347152 | Zig:20   | Noticed a dread lich
347153 | Zig:20   | Killed a dread lich
347153 | Zig:20   | Killed an ancient lich
347153 | Zig:20   | Killed a dread lich
347153 | Zig:20   | Killed a dread lich
347153 | Zig:20   | Killed an ancient lich
347153 | Zig:20   | Killed a dread lich
347153 | Zig:20   | Killed a dread lich
347153 | Zig:20   | Killed a dread lich
347154 | Zig:20   | Noticed a dread lich
347154 | Zig:20   | Noticed an ancient lich
347156 | Zig:20   | Killed a dread lich
347156 | Zig:20   | Killed an ancient lich
347156 | Zig:20   | Killed a dread lich
347156 | Zig:20   | Killed a dread lich
347156 | Zig:20   | Killed an ancient lich
347157 | Zig:20   | Noticed a dread lich
347157 | Zig:20   | Noticed a dread lich
347158 | Zig:20   | Killed a dread lich
347159 | Zig:20   | Noticed a dread lich
347159 | Zig:20   | Noticed an ancient lich
347162 | Zig:20   | Killed a dread lich
347162 | Zig:20   | Killed a dread lich
347162 | Zig:20   | Noticed an ancient lich
347163 | Zig:20   | Noticed a dread lich
347164 | Zig:20   | Killed an ancient lich
347166 | Zig:20   | Killed an ancient lich
347166 | Zig:20   | Killed a dread lich
347169 | Zig:20   | Identified the +1 bardiche of Xamopt {flame, Str+4}
347552 | Zig:20   | Identified the +1 ring mail "Syeluasi" {*Slow +Blink rPois
                  | Regen+}
347560 | Zig:20   | Identified the +6 dagger of Terra Cotta {flame, Will+ Int+4
                  | Dex+3}
347562 | Zig:20   | Identified the +3 chain mail of Beineull {rElec Str+3
                  | Slay+2}
347564 | Zig:20   | Identified the +6 scale mail of the Moon {Fly Str+3}
347571 | Zig:20   | Identified the staff "Leolur" {^Drain rElec rC- SInv Ice
                  | Air}
347587 | Zig:20   | Identified the +0 ring mail "Kiarocof" {Harm MP+9 Int+4
                  | Dex-5 Stlth+}
347588 | Zig:20   | Identified the ring "Giuneff" {rElec rN+ SInv}
347610 | Zig:20   | Identified the +6 sling "Nookimagod" {freeze, rCorr Dex+5}
347614 | Zig:20   | Identified the amulet of Sloth {rElec rF+ Will++ Regen+
                  | Str-5}
347622 | Zig:20   | Identified the +6 rapier "Doagiefe" {holy, rPois}
347666 | Zig:20   | Identified the ring "Laetat" {rElec Will+ Int+3 Dex+6}
347668 | Zig:20   | Identified the +1 ring mail "Monoc" {Int+3}
347672 | Zig:20   | Identified the +1 chain mail "Reekin" {-Tele Int+5 Slay+2
                  | SInv}
347753 | Zig:21   | Entered Level 21 of a ziggurat
347753 | Zig:21   | Noticed a royal mummy
347753 | Zig:21   | Noticed a royal mummy
347753 | Zig:21   | Noticed a royal mummy
347753 | Zig:21   | Noticed a royal mummy
347753 | Zig:21   | Noticed a dread lich
347753 | Zig:21   | Noticed a royal mummy
347753 | Zig:21   | Noticed a royal mummy
347753 | Zig:21   | Noticed a royal mummy
347753 | Zig:21   | Noticed a royal mummy
347753 | Zig:21   | Noticed a royal mummy
347753 | Zig:21   | Noticed a royal mummy
347753 | Zig:21   | Noticed a royal mummy
347753 | Zig:21   | Noticed a royal mummy
347753 | Zig:21   | Noticed a royal mummy
347753 | Zig:21   | Noticed a royal mummy
347755 | Zig:21   | Killed a royal mummy
347755 | Zig:21   | Killed a royal mummy
347755 | Zig:21   | Killed a royal mummy
347755 | Zig:21   | Killed a royal mummy
347755 | Zig:21   | Killed a royal mummy
347755 | Zig:21   | Killed a royal mummy
347755 | Zig:21   | Killed a royal mummy
347755 | Zig:21   | Killed a royal mummy
347755 | Zig:21   | Killed a royal mummy
347755 | Zig:21   | Killed a royal mummy
347755 | Zig:21   | Killed a royal mummy
347755 | Zig:21   | Noticed a royal mummy
347755 | Zig:21   | Noticed a royal mummy
347755 | Zig:21   | Killed a royal mummy
347756 | Zig:21   | Killed a royal mummy
347756 | Zig:21   | Killed a royal mummy
347756 | Zig:21   | Killed a dread lich
347757 | Zig:21   | Killed a royal mummy
347757 | Zig:21   | Killed a royal mummy
347757 | Zig:21   | Noticed a royal mummy
347757 | Zig:21   | Noticed a royal mummy
347757 | Zig:21   | Noticed a royal mummy
347758 | Zig:21   | Noticed a royal mummy
347759 | Zig:21   | Noticed an ancient lich
347760 | Zig:21   | Noticed a royal mummy
347760 | Zig:21   | Noticed a royal mummy
347760 | Zig:21   | Noticed a royal mummy
347761 | Zig:21   | Killed a royal mummy
347761 | Zig:21   | Killed an ancient lich
347761 | Zig:21   | Killed a royal mummy
347761 | Zig:21   | Killed a royal mummy
347761 | Zig:21   | Killed a royal mummy
347761 | Zig:21   | Noticed a royal mummy
347762 | Zig:21   | Noticed a royal mummy
347762 | Zig:21   | Noticed a royal mummy
347763 | Zig:21   | Killed a royal mummy
347763 | Zig:21   | Killed a royal mummy
347764 | Zig:21   | Noticed a royal mummy
347764 | Zig:21   | Noticed a royal mummy
347764 | Zig:21   | Noticed a royal mummy
347764 | Zig:21   | Killed a royal mummy
347764 | Zig:21   | Noticed a royal mummy
347765 | Zig:21   | Killed a royal mummy
347765 | Zig:21   | Noticed a royal mummy
347765 | Zig:21   | Killed a royal mummy
347766 | Zig:21   | Noticed a royal mummy
347766 | Zig:21   | Noticed a royal mummy
347766 | Zig:21   | Killed a royal mummy
347767 | Zig:21   | Killed a royal mummy
347767 | Zig:21   | Killed a royal mummy
347767 | Zig:21   | Killed a royal mummy
347767 | Zig:21   | Noticed a royal mummy
347769 | Zig:21   | Killed a royal mummy
347769 | Zig:21   | Killed a royal mummy
347769 | Zig:21   | Killed a royal mummy
347769 | Zig:21   | Killed a royal mummy
347769 | Zig:21   | Noticed a royal mummy
347769 | Zig:21   | Noticed a royal mummy
347770 | Zig:21   | Killed a royal mummy
347770 | Zig:21   | Noticed a royal mummy
347770 | Zig:21   | Killed a royal mummy
347771 | Zig:21   | Killed a royal mummy
347772 | Zig:21   | Killed a royal mummy
347772 | Zig:21   | Noticed a royal mummy
347772 | Zig:21   | Noticed a royal mummy
347772 | Zig:21   | Noticed a royal mummy
347772 | Zig:21   | Noticed a royal mummy
347773 | Zig:21   | Killed a royal mummy
347774 | Zig:21   | Noticed a royal mummy
347774 | Zig:21   | Noticed a royal mummy
347775 | Zig:21   | Killed a royal mummy
347775 | Zig:21   | Killed a royal mummy
347775 | Zig:21   | Noticed a royal mummy
347776 | Zig:21   | Noticed a royal mummy
347777 | Zig:21   | Killed a royal mummy
347777 | Zig:21   | Killed a royal mummy
347777 | Zig:21   | Killed a royal mummy
347777 | Zig:21   | Noticed a royal mummy
347777 | Zig:21   | Noticed a royal mummy
347777 | Zig:21   | Noticed a royal mummy
347778 | Zig:21   | Noticed a royal mummy
347778 | Zig:21   | Noticed a royal mummy
347778 | Zig:21   | Noticed a royal mummy
347778 | Zig:21   | Noticed a royal mummy
347779 | Zig:21   | Killed a royal mummy
347779 | Zig:21   | Killed a royal mummy
347779 | Zig:21   | Noticed a royal mummy
347780 | Zig:21   | Noticed a royal mummy
347780 | Zig:21   | Noticed a royal mummy
347780 | Zig:21   | Noticed a royal mummy
347780 | Zig:21   | Noticed a royal mummy
347781 | Zig:21   | Killed a royal mummy
347781 | Zig:21   | Killed a royal mummy
347781 | Zig:21   | Killed a royal mummy
347781 | Zig:21   | Killed a royal mummy
347781 | Zig:21   | Killed a royal mummy
347781 | Zig:21   | Noticed a royal mummy
347781 | Zig:21   | Noticed a royal mummy
347783 | Zig:21   | Killed a royal mummy
347783 | Zig:21   | Killed a royal mummy
347783 | Zig:21   | Killed a royal mummy
347783 | Zig:21   | Killed a royal mummy
347783 | Zig:21   | Killed a royal mummy
347783 | Zig:21   | Killed a royal mummy
347783 | Zig:21   | Killed a royal mummy
347783 | Zig:21   | Noticed a royal mummy
347783 | Zig:21   | Noticed a royal mummy
347784 | Zig:21   | Noticed a royal mummy
347786 | Zig:21   | Noticed a royal mummy
347786 | Zig:21   | Noticed a royal mummy
347787 | Zig:21   | Killed a royal mummy
347787 | Zig:21   | Killed a royal mummy
347787 | Zig:21   | Noticed a royal mummy
347788 | Zig:21   | Killed a royal mummy
347788 | Zig:21   | Killed a royal mummy
347789 | Zig:21   | Noticed a royal mummy
347790 | Zig:21   | Killed a royal mummy
347790 | Zig:21   | Killed a royal mummy
347790 | Zig:21   | Killed a royal mummy
347790 | Zig:21   | Killed a royal mummy
347794 | Zig:21   | Killed a royal mummy
347799 | Zig:21   | Identified the +2 leather armour of Gitywnuh {rElec Regen+
                  | Int+3}
347800 | Zig:21   | Identified the staff of the Sugar Beet {Fly rElec Earth}
347807 | Zig:21   | Identified the +1 scale mail "Vufetsit" {Regen+ rCorr
                  | Int-2}
347809 | Zig:21   | Identified the +0 cloak of Joy {*Slow Str+3 Dex+3 Slay+2}
347814 | Zig:21   | Identified the staff of Patterns {rElec rCorr Int-3 Conj
                  | Air}
347815 | Zig:21   | Identified the +0 robe of the Hurricane {Regen+ Str+9 Dex-5
                  | Slay+2}
347818 | Zig:21   | Identified the staff of the Radish {rC+ Will++ Str-4 Int+5
                  | Ice}
347826 | Zig:21   | Identified the ring "Put-Me-On" {rF+ rN+ Int+3 Dex-4}
347828 | Zig:21   | Identified the +6 short sword of Okoclidu {pain, Will+++}
347833 | Zig:21   | Identified the +5 short sword of Wealth {vamp, ^Contam rC+
                  | Dex+2 Stlth+}
347839 | Zig:21   | Identified the +5 quarterstaff "Voshesch" {drain, rPois}
347840 | Zig:21   | Identified the +2 great mace "Cuumis" {drain, rN+ Str+3}
347872 | Zig:21   | Identified the quicksilver dragon scales of an ice cave
                  | {Fly Will+ Int+4}
347911 | Zig:21   | Identified the +10 eudemon blade of Immorality {holy, rElec
                  | Dex+3}
348360 | Zig:22   | Entered Level 22 of a ziggurat
348360 | Zig:22   | Noticed Viaguh the pandemonium lord
348360 | Zig:22   | Noticed Liti the pandemonium lord
348360 | Zig:22   | Noticed Zitritokip the pandemonium lord
348360 | Zig:22   | Noticed Cobin the pandemonium lord
348360 | Zig:22   | Noticed Sosixili the pandemonium lord
348360 | Zig:22   | Noticed Gideut the pandemonium lord
348360 | Zig:22   | Noticed Wepud the pandemonium lord
348360 | Zig:22   | Noticed Geaf the pandemonium lord
348360 | Zig:22   | Noticed Cuxzawn the pandemonium lord
348360 | Zig:22   | Noticed Utwea the pandemonium lord
348360 | Zig:22   | Noticed Ypoex the pandemonium lord
348360 | Zig:22   | Noticed Wemicwy the pandemonium lord
348360 | Zig:22   | Noticed Duaz the pandemonium lord
348360 | Zig:22   | Noticed Guit the pandemonium lord
348360 | Zig:22   | Noticed Vure the pandemonium lord
348360 | Zig:22   | Noticed Junn the pandemonium lord
348360 | Zig:22   | Noticed Xourec the pandemonium lord
348360 | Zig:22   | Noticed Efruneil the pandemonium lord
348360 | Zig:22   | Noticed Biorry the pandemonium lord
348360 | Zig:22   | Noticed Gyhehel the pandemonium lord
348360 | Zig:22   | Noticed Xoces the pandemonium lord
348360 | Zig:22   | Noticed Atwasch the pandemonium lord
348360 | Zig:22   | Noticed Worawig the pandemonium lord
348360 | Zig:22   | Noticed Postus the pandemonium lord
348360 | Zig:22   | Noticed Ekabuugoemu the pandemonium lord
348360 | Zig:22   | Noticed Ymon Jyzu the pandemonium lord
348360 | Zig:22   | Noticed Pusyluhi the pandemonium lord
348360 | Zig:22   | Noticed Yfait the pandemonium lord
348360 | Zig:22   | Noticed Yfiufex the pandemonium lord
348360 | Zig:22   | Noticed Pucal the pandemonium lord
348360 | Zig:22   | Noticed Omaduih the pandemonium lord
348360 | Zig:22   | Noticed Suumix the pandemonium lord
348360 | Zig:22   | Noticed Wootsag the pandemonium lord
348361 | Zig:22   | Noticed Ystradd the pandemonium lord
348361 | Zig:22   | Noticed Pumaorchi the pandemonium lord
348362 | Zig:22   | Noticed Hiraana the pandemonium lord
348362 | Zig:22   | Noticed Ileodghi the pandemonium lord
348362 | Zig:22   | Noticed Xeycvoist the pandemonium lord
348363 | Zig:22   | Killed Yfiufex the pandemonium lord
348363 | Zig:22   | Killed Hiraana the pandemonium lord
348363 | Zig:22   | Killed Pusyluhi the pandemonium lord
348363 | Zig:22   | Killed Ymon Jyzu the pandemonium lord
348363 | Zig:22   | Killed Wemicwy the pandemonium lord
348363 | Zig:22   | Killed Suumix the pandemonium lord
348364 | Zig:22   | Noticed Onumijul the pandemonium lord
348364 | Zig:22   | Killed Wootsag the pandemonium lord
348364 | Zig:22   | Killed Omaduih the pandemonium lord
348364 | Zig:22   | Killed Ekabuugoemu the pandemonium lord
348364 | Zig:22   | Killed Efruneil the pandemonium lord
348364 | Zig:22   | Killed Vure the pandemonium lord
348364 | Zig:22   | Killed Gyhehel the pandemonium lord
348364 | Zig:22   | Killed Ypoex the pandemonium lord
348364 | Zig:22   | Killed Postus the pandemonium lord
348364 | Zig:22   | Killed Biorry the pandemonium lord
348364 | Zig:22   | Killed Yfait the pandemonium lord
348364 | Zig:22   | Killed Cobin the pandemonium lord
348364 | Zig:22   | Killed Viaguh the pandemonium lord
348364 | Zig:22   | Noticed Muyxky the pandemonium lord
348364 | Zig:22   | Noticed Miamios the pandemonium lord
348364 | Zig:22   | Noticed Fayriegh the pandemonium lord
348364 | Zig:22   | Noticed Papeasum the pandemonium lord
348364 | Zig:22   | Noticed Ziefocle the pandemonium lord
348364 | Zig:22   | Noticed Moid the pandemonium lord
348364 | Zig:22   | Noticed Idaux the pandemonium lord
348364 | Zig:22   | Noticed Issiubb the pandemonium lord
348364 | Zig:22   | Noticed Xisuck the pandemonium lord
348364 | Zig:22   | Noticed Utouraal the pandemonium lord
348364 | Zig:22   | Noticed Bujor the pandemonium lord
348364 | Zig:22   | Noticed Zasy the pandemonium lord
348364 | Zig:22   | Noticed Oripias the pandemonium lord
348364 | Zig:22   | Noticed Uterag the pandemonium lord
348364 | Zig:22   | Noticed Lurr the pandemonium lord
348364 | Zig:22   | Noticed Famoaq the pandemonium lord
348364 | Zig:22   | Noticed Oxzurphi the pandemonium lord
348364 | Zig:22   | Noticed Wueteari the pandemonium lord
348364 | Zig:22   | Noticed Ginlat the pandemonium lord
348364 | Zig:22   | Noticed Nyokir the pandemonium lord
348364 | Zig:22   | Noticed Keiprah the pandemonium lord
348364 | Zig:22   | Noticed Mokloine the pandemonium lord
348365 | Zig:22   | Killed Xourec the pandemonium lord
348365 | Zig:22   | Killed Utwea the pandemonium lord
348365 | Zig:22   | Killed Junn the pandemonium lord
348365 | Zig:22   | Killed Gideut the pandemonium lord
348365 | Zig:22   | Killed Zitritokip the pandemonium lord
348365 | Zig:22   | Killed Muyxky the pandemonium lord
348365 | Zig:22   | Killed Geaf the pandemonium lord
348365 | Zig:22   | Killed Xeycvoist the pandemonium lord
348365 | Zig:22   | Killed Cuxzawn the pandemonium lord
348365 | Zig:22   | Killed Atwasch the pandemonium lord
348365 | Zig:22   | Killed Wepud the pandemonium lord
348365 | Zig:22   | Killed Worawig the pandemonium lord
348365 | Zig:22   | Killed Oripias the pandemonium lord
348365 | Zig:22   | Noticed Dakyt the pandemonium lord
348365 | Zig:22   | Noticed Weogixka the pandemonium lord
348366 | Zig:22   | Noticed Maploas the pandemonium lord
348366 | Zig:22   | Noticed Femmimob the pandemonium lord
348366 | Zig:22   | Killed Pucal the pandemonium lord
348366 | Zig:22   | Killed Xoces the pandemonium lord
348366 | Zig:22   | Killed Onumijul the pandemonium lord
348366 | Zig:22   | Killed Sosixili the pandemonium lord
348366 | Zig:22   | Killed Duaz the pandemonium lord
348366 | Zig:22   | Noticed Muzisal the pandemonium lord
348367 | Zig:22   | Killed Liti the pandemonium lord
348367 | Zig:22   | Killed Oxzurphi the pandemonium lord
348367 | Zig:22   | Killed Uterag the pandemonium lord
348367 | Zig:22   | Killed Nyokir the pandemonium lord
348367 | Zig:22   | Killed Zasy the pandemonium lord
348367 | Zig:22   | Killed Wueteari the pandemonium lord
348367 | Zig:22   | Killed Ystradd the pandemonium lord
348367 | Zig:22   | Killed Ginlat the pandemonium lord
348367 | Zig:22   | Killed Ileodghi the pandemonium lord
348367 | Zig:22   | Killed Ziefocle the pandemonium lord
348367 | Zig:22   | Killed Famoaq the pandemonium lord
348367 | Zig:22   | Killed Keiprah the pandemonium lord
348367 | Zig:22   | Noticed Umehadex the pandemonium lord
348367 | Zig:22   | Noticed Xuxo the pandemonium lord
348367 | Zig:22   | Noticed Imawne the pandemonium lord
348367 | Zig:22   | Noticed Yrubuan the pandemonium lord
348368 | Zig:22   | Killed Issiubb the pandemonium lord
348368 | Zig:22   | Killed Mokloine the pandemonium lord
348368 | Zig:22   | Killed Moid the pandemonium lord
348368 | Zig:22   | Noticed Jeeh the pandemonium lord
348368 | Zig:22   | Noticed Picu the pandemonium lord
348368 | Zig:22   | Noticed Qihessuli the pandemonium lord
348369 | Zig:22   | Noticed Ecopoecs the pandemonium lord
348369 | Zig:22   | Noticed Ogran the pandemonium lord
348369 | Zig:22   | Killed Idaux the pandemonium lord
348369 | Zig:22   | Killed Femmimob the pandemonium lord
348369 | Zig:22   | Killed Weogixka the pandemonium lord
348369 | Zig:22   | Killed Bujor the pandemonium lord
348369 | Zig:22   | Killed Dakyt the pandemonium lord
348369 | Zig:22   | Killed Xisuck the pandemonium lord
348369 | Zig:22   | Killed Yrubuan the pandemonium lord
348369 | Zig:22   | Noticed Suguez the pandemonium lord
348369 | Zig:22   | Killed Lurr the pandemonium lord
348369 | Zig:22   | Noticed Niept the pandemonium lord
348370 | Zig:22   | Noticed Irhi the pandemonium lord
348370 | Zig:22   | Killed Papeasum the pandemonium lord
348371 | Zig:22   | Noticed Oppucics the pandemonium lord
348371 | Zig:22   | Noticed Doewiami the pandemonium lord
348371 | Zig:22   | Killed Fayriegh the pandemonium lord
348372 | Zig:22   | Killed Umehadex the pandemonium lord
348373 | Zig:22   | Killed Miamios the pandemonium lord
348373 | Zig:22   | Noticed Goril the pandemonium lord
348373 | Zig:22   | Killed Ecopoecs the pandemonium lord
348373 | Zig:22   | Killed Oppucics the pandemonium lord
348374 | Zig:22   | Killed Oleefauva the pandemonium lord
348374 | Zig:22   | Killed Ogran the pandemonium lord
348374 | Zig:22   | Killed Niept the pandemonium lord
348374 | Zig:22   | Noticed Noikk the pandemonium lord
348375 | Zig:22   | Killed Doewiami the pandemonium lord
348375 | Zig:22   | Killed Suguez the pandemonium lord
348375 | Zig:22   | Killed Maploas the pandemonium lord
348375 | Zig:22   | Killed Xigisk the pandemonium lord
348375 | Zig:22   | Killed Picu the pandemonium lord
348375 | Zig:22   | Killed Jeeh the pandemonium lord
348375 | Zig:22   | Killed Qihessuli the pandemonium lord
348376 | Zig:22   | Killed Utouraal the pandemonium lord
348376 | Zig:22   | Killed Imawne the pandemonium lord
348376 | Zig:22   | Killed Irhi the pandemonium lord
348376 | Zig:22   | Killed Guit the pandemonium lord
348376 | Zig:22   | Noticed Tuum the pandemonium lord
348376 | Zig:22   | Noticed Vootea the pandemonium lord
348377 | Zig:22   | Killed Vootea the pandemonium lord
348377 | Zig:22   | Noticed Ykimunim the pandemonium lord
348377 | Zig:22   | Killed Xuxo the pandemonium lord
348378 | Zig:22   | Noticed Yjigi the pandemonium lord
348379 | Zig:22   | Noticed Epadam the pandemonium lord
348379 | Zig:22   | Noticed Biriefu the pandemonium lord
348379 | Zig:22   | Noticed Ximei the pandemonium lord
348380 | Zig:22   | Killed Goril the pandemonium lord
348380 | Zig:22   | Noticed Riumoradd the pandemonium lord
348381 | Zig:22   | Killed Noikk the pandemonium lord
348381 | Zig:22   | Killed Biriefu the pandemonium lord
348381 | Zig:22   | Noticed Ytyb the pandemonium lord
348381 | Zig:22   | Noticed Rumok the pandemonium lord
348381 | Zig:22   | Noticed Bozeto the pandemonium lord
348381 | Zig:22   | Noticed Bemuukh the pandemonium lord
348382 | Zig:22   | Killed Tuum the pandemonium lord
348382 | Zig:22   | Killed Riumoradd the pandemonium lord
348382 | Zig:22   | Noticed Jufuwiah the pandemonium lord
348382 | Zig:22   | Killed Nefaa the pandemonium lord
348384 | Zig:22   | Killed Bozeto the pandemonium lord
348384 | Zig:22   | Killed Ytyb the pandemonium lord
348384 | Zig:22   | Killed Epadam the pandemonium lord
348384 | Zig:22   | Killed Ximei the pandemonium lord
348385 | Zig:22   | Killed Jufuwiah the pandemonium lord
348385 | Zig:22   | Noticed Not Fuaxause the pandemonium lord
348387 | Zig:22   | Killed Rumok the pandemonium lord
348387 | Zig:22   | Noticed Pyrchat the pandemonium lord
348388 | Zig:22   | Killed Bemuukh the pandemonium lord
348388 | Zig:22   | Killed Ykimunim the pandemonium lord
348388 | Zig:22   | Noticed Wacvuodd the pandemonium lord
348388 | Zig:22   | Noticed Bohech the pandemonium lord
348389 | Zig:22   | Noticed Eroufed the pandemonium lord
348389 | Zig:22   | Killed Pyrchat the pandemonium lord
348389 | Zig:22   | Noticed Hudoorph the pandemonium lord
348389 | Zig:22   | Noticed Poidagh the pandemonium lord
348389 | Zig:22   | Killed Muzisal the pandemonium lord
348389 | Zig:22   | Killed Wimmavuw the pandemonium lord
348390 | Zig:22   | Noticed Hepageiv the pandemonium lord
348391 | Zig:22   | Noticed Waschy the pandemonium lord
348391 | Zig:22   | Noticed Ygutamp the pandemonium lord
348391 | Zig:22   | Noticed Hynt the pandemonium lord
348391 | Zig:22   | Killed Bohech the pandemonium lord
348391 | Zig:22   | Killed Montat the pandemonium lord
348391 | Zig:22   | Killed Pumaorchi the pandemonium lord
348391 | Zig:22   | Killed Arphimic the pandemonium lord
348391 | Zig:22   | Noticed Josesoirowk the pandemonium lord
348392 | Zig:22   | Killed Hynt the pandemonium lord
348392 | Zig:22   | Killed Not Fuaxause the pandemonium lord
348392 | Zig:22   | Killed Ygutamp the pandemonium lord
348392 | Zig:22   | Killed Poidagh the pandemonium lord
348392 | Zig:22   | Killed Wacvuodd the pandemonium lord
348392 | Zig:22   | Noticed Ereul the pandemonium lord
348392 | Zig:22   | Killed Ygai the pandemonium lord
348392 | Zig:22   | Killed Hepageiv the pandemonium lord
348392 | Zig:22   | Noticed Pupamyes the pandemonium lord
348393 | Zig:22   | Killed Waschy the pandemonium lord
348393 | Zig:22   | Killed Hudoorph the pandemonium lord
348393 | Zig:22   | Killed Josesoirowk the pandemonium lord
348393 | Zig:22   | Noticed Warot the pandemonium lord
348393 | Zig:22   | Noticed Isuikle the pandemonium lord
348394 | Zig:22   | Killed Warot the pandemonium lord
348394 | Zig:22   | Killed Ereul the pandemonium lord
348394 | Zig:22   | Killed Eroufed the pandemonium lord
348394 | Zig:22   | Noticed Qihoxa the pandemonium lord
348394 | Zig:22   | Noticed Bepuluc the pandemonium lord
348394 | Zig:22   | Noticed Unuxuves the pandemonium lord
348395 | Zig:22   | Killed Pupamyes the pandemonium lord
348395 | Zig:22   | Killed Qihoxa the pandemonium lord
348395 | Zig:22   | Killed Unuxuves the pandemonium lord
348396 | Zig:22   | Noticed Gypyt the pandemonium lord
348396 | Zig:22   | Killed Bepuluc the pandemonium lord
348396 | Zig:22   | Noticed Feku the pandemonium lord
348397 | Zig:22   | Killed Sikhuigo the pandemonium lord
348397 | Zig:22   | Killed Jegoy the pandemonium lord
348398 | Zig:22   | Killed Gypyt the pandemonium lord
348398 | Zig:22   | Noticed Senock the pandemonium lord
348399 | Zig:22   | Noticed Olifanyt the pandemonium lord
348400 | Zig:22   | Noticed Pohytin the pandemonium lord
348400 | Zig:22   | Killed Feku the pandemonium lord
348400 | Zig:22   | Killed Pohytin the pandemonium lord
348401 | Zig:22   | Killed Olifanyt the pandemonium lord
348401 | Zig:22   | Noticed Jut Duoh the pandemonium lord
348402 | Zig:22   | Killed Wotobum the pandemonium lord
348403 | Zig:22   | Noticed Yryn the pandemonium lord
348403 | Zig:22   | Killed Yjigi the pandemonium lord
348404 | Zig:22   | Killed Isuikle the pandemonium lord
348404 | Zig:22   | Killed Jut Duoh the pandemonium lord
348404 | Zig:22   | Noticed Zeitayn the pandemonium lord
348404 | Zig:22   | Noticed Emoziove the pandemonium lord
348405 | Zig:22   | Noticed Kebbod the pandemonium lord
348406 | Zig:22   | Noticed Keisasy the pandemonium lord
348406 | Zig:22   | Noticed Seossepe the pandemonium lord
348406 | Zig:22   | Killed Yryn the pandemonium lord
348406 | Zig:22   | Noticed Ytheidiss the pandemonium lord
348407 | Zig:22   | Killed Ytheidiss the pandemonium lord
348407 | Zig:22   | Noticed Osker the pandemonium lord
348407 | Zig:22   | Noticed Ciraah the pandemonium lord
348408 | Zig:22   | Killed Emoziove the pandemonium lord
348408 | Zig:22   | Killed Zeitayn the pandemonium lord
348408 | Zig:22   | Killed Ciraah the pandemonium lord
348408 | Zig:22   | Killed Kebbod the pandemonium lord
348408 | Zig:22   | Killed Xoesopn the pandemonium lord
348408 | Zig:22   | Killed Linor the pandemonium lord
348409 | Zig:22   | Killed Seossepe the pandemonium lord
348411 | Zig:22   | Noticed Eriumobb the pandemonium lord
348411 | Zig:22   | Noticed Nuuf the pandemonium lord
348411 | Zig:22   | Noticed Womidori the pandemonium lord
348411 | Zig:22   | Killed Keisasy the pandemonium lord
348412 | Zig:22   | Killed Senock the pandemonium lord
348412 | Zig:22   | Killed Osker the pandemonium lord
348412 | Zig:22   | Noticed Xuasteatta the pandemonium lord
348412 | Zig:22   | Noticed Dofeus the pandemonium lord
348413 | Zig:22   | Killed Nuuf the pandemonium lord
348414 | Zig:22   | Noticed Cezathic the pandemonium lord
348415 | Zig:22   | Killed Eriumobb the pandemonium lord
348415 | Zig:22   | Killed Dofeus the pandemonium lord
348415 | Zig:22   | Killed Xuasteatta the pandemonium lord
348417 | Zig:22   | Noticed Cuxaweh the pandemonium lord
348417 | Zig:22   | Noticed Ucvuorcho the pandemonium lord
348418 | Zig:22   | Noticed Nolos the pandemonium lord
348419 | Zig:22   | Noticed Qoihip the pandemonium lord
348419 | Zig:22   | Noticed Mex Bost the pandemonium lord
348419 | Zig:22   | Noticed Bomeuti the pandemonium lord
348420 | Zig:22   | Killed Womidori the pandemonium lord
348420 | Zig:22   | Killed Qoihip the pandemonium lord
348420 | Zig:22   | Killed Ucvuorcho the pandemonium lord
348420 | Zig:22   | Noticed Goybusok the pandemonium lord
348421 | Zig:22   | Noticed Aschozego the pandemonium lord
348421 | Zig:22   | Killed Bomeuti the pandemonium lord
348421 | Zig:22   | Noticed Fiubauh the pandemonium lord
348421 | Zig:22   | Noticed Xytuv the pandemonium lord
348422 | Zig:22   | Noticed Zaisoet the pandemonium lord
348422 | Zig:22   | Killed Mex Bost the pandemonium lord
348422 | Zig:22   | Killed Nolos the pandemonium lord
348422 | Zig:22   | Killed Aschozego the pandemonium lord
348422 | Zig:22   | Killed Goybusok the pandemonium lord
348422 | Zig:22   | Killed Cuxaweh the pandemonium lord
348422 | Zig:22   | Noticed Jedeonwa the pandemonium lord
348424 | Zig:22   | Killed Zaisoet the pandemonium lord
348424 | Zig:22   | Killed Jedeonwa the pandemonium lord
348425 | Zig:22   | Noticed Nuloir the pandemonium lord
348425 | Zig:22   | Noticed Vyschec the pandemonium lord
348426 | Zig:22   | Killed Xytuv the pandemonium lord
348426 | Zig:22   | Killed Fiubauh the pandemonium lord
348427 | Zig:22   | Noticed Dankocill the pandemonium lord
348427 | Zig:22   | Noticed Rimnus the pandemonium lord
348427 | Zig:22   | Noticed Siddol the pandemonium lord
348427 | Zig:22   | Noticed Falisef the pandemonium lord
348428 | Zig:22   | Killed Cezathic the pandemonium lord
348428 | Zig:22   | Killed Falisef the pandemonium lord
348429 | Zig:22   | Killed Nuloir the pandemonium lord
348430 | Zig:22   | Killed Dankocill the pandemonium lord
348431 | Zig:22   | Killed Vyschec the pandemonium lord
348431 | Zig:22   | Killed Siddol the pandemonium lord
348433 | Zig:22   | Killed Rimnus the pandemonium lord
348434 | Zig:22   | Noticed Naeckimu the pandemonium lord
348439 | Zig:22   | Killed Naeckimu the pandemonium lord
348457 | Zig:22   | Identified the +0 cloak of the Secret Queens {Str+3 Dex+3}
348472 | Zig:22   | Identified the +1 leather armour of Xeotapn {Str-4 Int+2
                  | Dex+5}
348474 | Zig:22   | Identified the +0 pair of boots of Sin {Dex+2}
348475 | Zig:22   | Identified the staff "Transmigrator" {rC+ Ice Air Earth}
348479 | Zig:22   | Identified the ring "Dogo" {rElec rPois rCorr SInv}
348481 | Zig:22   | Identified the +0 ring mail of Mocavvi {^Contam Will+ rCorr
                  | Int+3}
348486 | Zig:22   | Identified the ring of the Burning Madman {rPois Int+6}
348490 | Zig:22   | Identified the +5 ring mail "Vufal" {Dex+2 Slay+2}
348491 | Zig:22   | Identified the +4 dagger "Ammetsu" {freeze, rElec rC+}
348492 | Zig:22   | Identified the ring of Ymyrryu Orol {rPois rC+++ Str-4
                  | Int+6 Slay-2}
348500 | Zig:22   | Identified the ring of the Oligarchy {Fire rPois SInv}
348507 | Zig:22   | Identified the ring "Nitom" {rN+ Int-2 Dex+4 SInv}
348512 | Zig:22   | Identified the +7 storm dragon scales "Dataott" {+Blink
                  | +Inv rElec}
348515 | Zig:22   | Identified the +12 morningstar of Reud Xecent {heavy, rN+
                  | Will+ SInv}
348518 | Zig:22   | Identified the staff of Puropica {Fly rF- Str+3 Conj}
348528 | Zig:22   | Identified the amulet of Arimaet {Reflect Will+ Str+5 Dex-2
                  | SH+5 SInv}
348531 | Zig:22   | Identified the +8 war axe of the Usurping Coward {flame,
                  | Str+2}
348866 | Zig:22   | Identified the ring "Poedgh" {rC++ Will+ rCorr Slay-5
                  | Stlth-}
348870 | Zig:22   | Identified the amulet of Bammetaru {RegenMP +Inv rElec
                  | Str+4}
348880 | Zig:22   | Identified the +5 ring mail of the Chupacabra {*Corrode
                  | +Blink rF+ Str+4}
348929 | Zig:23   | Entered Level 23 of a ziggurat
348991 | Zig:23   | Identified the +1 short sword of Wyrd {elec, Int+5}
349030 | Zig:23   | Identified the +9 shortbow of Midwinter {flame, rC+ rN+}
349035 | Zig:23   | Identified the ring of the Pharaoh's Fist {Will+ Dex+6}
349037 | Zig:23   | Identified the +3 plate armour of Bequeathed Miracles
                  | {*Corrode Str+3 Dex+2}
349045 | Zig:23   | Identified the amulet "Kasipnik" {Spirit ^Fragile rN+ Will+
                  | Str+2}
349053 | Zig:23   | Identified the +6 chain mail "Kim Cure" {Str+3 Dex+2}
349073 | Zig:23   | Identified the +11 morningstar of Animal Spirits
                  | {antimagic, rC+}
349074 | Zig:23   | Identified the staff of Triumph {rF+ Int-5 SInv Fire Earth}
349088 | Zig:23   | Identified the +7 falchion "Jeusutas" {pain, rC+ Dex+4
                  | SInv}
349091 | Zig:23   | Identified the staff of War {rN+ Will+ Stlth+ Necro Ice}
349095 | Zig:23   | Identified the ring "Tonegac" {rN+ AC+4 Dex-5 Slay+2}
349105 | Zig:23   | Identified the ring "Zodu" {rElec rPois Will+ Int-3 SInv}
349111 | Zig:23   | Identified the +0 robe of Irksome Liberty {Str+6}
349113 | Zig:23   | Identified the +10 mace of Grontol {flame, rN+ rCorr MP-9
                  | SInv}
349118 | Zig:23   | Identified the +1 war axe "Voroci" {freeze, rF- rN+ Str+3
                  | Dex+2}
349119 | Zig:23   | Identified the +0 great sword of the Little People {spect,
                  | rCorr Str-5 Dex+5}
349123 | Zig:23   | Identified the +3 scale mail of Twilight {Dex+4}
349135 | Zig:23   | Identified the +5 spear "Coprum" {venom, Will+ Int+5 Dex+4}
349140 | Zig:23   | Identified the staff "Jomox" {rElec rPois rC+ rCorr
                  | Alchemy}
349485 | Zig:23   | Identified the +6 eudemon blade "Beetle's Bane" {holy,
                  | Dex+4 SInv}
349500 | Zig:24   | Entered Level 24 of a ziggurat
349500 | Zig:24   | Noticed Feups the pandemonium lord
349500 | Zig:24   | Noticed Heumope the pandemonium lord
349500 | Zig:24   | Noticed Hocroro the pandemonium lord
349500 | Zig:24   | Noticed Itiom the pandemonium lord
349500 | Zig:24   | Noticed Winuc the pandemonium lord
349500 | Zig:24   | Noticed Uwoujagu the pandemonium lord
349500 | Zig:24   | Noticed Zyesac the pandemonium lord
349500 | Zig:24   | Noticed Qyukk the pandemonium lord
349500 | Zig:24   | Noticed Cunyrch the pandemonium lord
349500 | Zig:24   | Noticed Taulyclo the pandemonium lord
349500 | Zig:24   | Noticed Ytikk the pandemonium lord
349500 | Zig:24   | Noticed Heapeh the pandemonium lord
349500 | Zig:24   | Noticed Sesybin the pandemonium lord
349500 | Zig:24   | Noticed Rueloosh the pandemonium lord
349500 | Zig:24   | Noticed Qyecholl the pandemonium lord
349500 | Zig:24   | Noticed Vesapell the pandemonium lord
349500 | Zig:24   | Noticed Bobuameg the pandemonium lord
349500 | Zig:24   | Noticed Iffag the pandemonium lord
349500 | Zig:24   | Noticed Kaaloroe the pandemonium lord
349500 | Zig:24   | Noticed Loisk the pandemonium lord
349500 | Zig:24   | Noticed Zocum the pandemonium lord
349500 | Zig:24   | Noticed Ciusseyf the pandemonium lord
349500 | Zig:24   | Noticed Ylunis the pandemonium lord
349500 | Zig:24   | Noticed Fiseso the pandemonium lord
349500 | Zig:24   | Noticed Rasois the pandemonium lord
349500 | Zig:24   | Noticed Erghe the pandemonium lord
349500 | Zig:24   | Noticed Myhut the pandemonium lord
349500 | Zig:24   | Noticed Ecloene the pandemonium lord
349500 | Zig:24   | Noticed Luschokk the pandemonium lord
349500 | Zig:24   | Noticed Gipe the pandemonium lord
349500 | Zig:24   | Noticed Ymulauxo the pandemonium lord
349500 | Zig:24   | Noticed Odaqueps the pandemonium lord
349501 | Zig:24   | Noticed Gyibe the pandemonium lord
349501 | Zig:24   | Noticed Zitol the pandemonium lord
349502 | Zig:24   | Killed Ymulauxo the pandemonium lord
349502 | Zig:24   | Noticed Ynar the pandemonium lord
349503 | Zig:24   | Noticed Gaozoce the pandemonium lord
349503 | Zig:24   | Noticed Xakice the pandemonium lord
349503 | Zig:24   | Killed Luschokk the pandemonium lord
349503 | Zig:24   | Killed Ylunis the pandemonium lord
349503 | Zig:24   | Killed Fiseso the pandemonium lord
349503 | Zig:24   | Killed Qyecholl the pandemonium lord
349503 | Zig:24   | Killed Bobuameg the pandemonium lord
349503 | Zig:24   | Killed Erghe the pandemonium lord
349503 | Zig:24   | Killed Rasois the pandemonium lord
349503 | Zig:24   | Noticed Povului the pandemonium lord
349503 | Zig:24   | Noticed Taetiok the pandemonium lord
349503 | Zig:24   | Noticed Gowneom the pandemonium lord
349504 | Zig:24   | Killed Gipe the pandemonium lord
349504 | Zig:24   | Killed Kaaloroe the pandemonium lord
349504 | Zig:24   | Killed Iffag the pandemonium lord
349504 | Zig:24   | Killed Loisk the pandemonium lord
349504 | Zig:24   | Killed Rueloosh the pandemonium lord
349504 | Zig:24   | Killed Vesapell the pandemonium lord
349504 | Zig:24   | Killed Myhut the pandemonium lord
349504 | Zig:24   | Killed Ciusseyf the pandemonium lord
349504 | Zig:24   | Killed Uwoujagu the pandemonium lord
349504 | Zig:24   | Killed Odaqueps the pandemonium lord
349504 | Zig:24   | Noticed Futadu the pandemonium lord
349504 | Zig:24   | Killed Cunyrch the pandemonium lord
349505 | Zig:24   | Killed Ecloene the pandemonium lord
349505 | Zig:24   | Killed Sesybin the pandemonium lord
349505 | Zig:24   | Killed Itiom the pandemonium lord
349505 | Zig:24   | Killed Qyukk the pandemonium lord
349505 | Zig:24   | Noticed Xeat the pandemonium lord
349505 | Zig:24   | Killed Zitol the pandemonium lord
349505 | Zig:24   | Killed Gaozoce the pandemonium lord
349505 | Zig:24   | Noticed Atwiunn the pandemonium lord
349505 | Zig:24   | Noticed Vesan the pandemonium lord
349505 | Zig:24   | Killed Heapeh the pandemonium lord
349506 | Zig:24   | Noticed Pebameum the pandemonium lord
349506 | Zig:24   | Noticed Padoabipnue the pandemonium lord
349506 | Zig:24   | Killed Pebameum the pandemonium lord
349506 | Zig:24   | Killed Xakice the pandemonium lord
349506 | Zig:24   | Killed Hocroro the pandemonium lord
349506 | Zig:24   | Killed Zyesac the pandemonium lord
349506 | Zig:24   | Killed Zocum the pandemonium lord
349506 | Zig:24   | Killed Ytikk the pandemonium lord
349506 | Zig:24   | Killed Povului the pandemonium lord
349506 | Zig:24   | Noticed Fian the pandemonium lord
349507 | Zig:24   | Killed Winuc the pandemonium lord
349507 | Zig:24   | Noticed Gekuxuj the pandemonium lord
349507 | Zig:24   | Noticed Renu the pandemonium lord
349507 | Zig:24   | Noticed Rizof the pandemonium lord
349508 | Zig:24   | Killed Taulyclo the pandemonium lord
349508 | Zig:24   | Killed Ynar the pandemonium lord
349508 | Zig:24   | Killed Atwiunn the pandemonium lord
349508 | Zig:24   | Killed Taetiok the pandemonium lord
349508 | Zig:24   | Noticed Wet Jot the pandemonium lord
349508 | Zig:24   | Noticed Keck the pandemonium lord
349508 | Zig:24   | Noticed Senal the pandemonium lord
349509 | Zig:24   | Noticed Pebaan the pandemonium lord
349509 | Zig:24   | Killed Feups the pandemonium lord
349509 | Zig:24   | Killed Gyibe the pandemonium lord
349509 | Zig:24   | Noticed Nesag the pandemonium lord
349510 | Zig:24   | Killed Vesan the pandemonium lord
349510 | Zig:24   | Noticed Soud the pandemonium lord
349510 | Zig:24   | Killed Rizof the pandemonium lord
349511 | Zig:24   | Noticed Ponyez the pandemonium lord
349511 | Zig:24   | Noticed Idotu the pandemonium lord
349511 | Zig:24   | Noticed Ruamup the pandemonium lord
349511 | Zig:24   | Noticed Luahoih the pandemonium lord
349511 | Zig:24   | Noticed Omiptebe the pandemonium lord
349511 | Zig:24   | Noticed Jumiwno the pandemonium lord
349511 | Zig:24   | Noticed Womomou the pandemonium lord
349511 | Zig:24   | Killed Keck the pandemonium lord
349511 | Zig:24   | Noticed Tyzicyu the pandemonium lord
349511 | Zig:24   | Noticed Kuexoa the pandemonium lord
349511 | Zig:24   | Noticed Vautoh the pandemonium lord
349511 | Zig:24   | Noticed Ahus Pel the pandemonium lord
349512 | Zig:24   | Noticed Fosecua the pandemonium lord
349512 | Zig:24   | Noticed Aleivur the pandemonium lord
349512 | Zig:24   | Killed Nesag the pandemonium lord
349512 | Zig:24   | Killed Omiptebe the pandemonium lord
349512 | Zig:24   | Killed Xeat the pandemonium lord
349512 | Zig:24   | Killed Gekuxuj the pandemonium lord
349512 | Zig:24   | Noticed Naurutonn the pandemonium lord
349513 | Zig:24   | Killed Senal the pandemonium lord
349513 | Zig:24   | Killed Renu the pandemonium lord
349513 | Zig:24   | Killed Tyzicyu the pandemonium lord
349513 | Zig:24   | Killed Padoabipnue the pandemonium lord
349513 | Zig:24   | Noticed Dycuhuod the pandemonium lord
349513 | Zig:24   | Noticed Akynkief the pandemonium lord
349514 | Zig:24   | Killed Fian the pandemonium lord
349514 | Zig:24   | Killed Heumope the pandemonium lord
349514 | Zig:24   | Killed Jumiwno the pandemonium lord
349514 | Zig:24   | Killed Womomou the pandemonium lord
349515 | Zig:24   | Killed Ponyez the pandemonium lord
349515 | Zig:24   | Killed Idotu the pandemonium lord
349515 | Zig:24   | Noticed Vyrao the pandemonium lord
349515 | Zig:24   | Noticed Tejoh the pandemonium lord
349515 | Zig:24   | Noticed Yputupt the pandemonium lord
349515 | Zig:24   | Noticed Tateac the pandemonium lord
349516 | Zig:24   | Killed Soud the pandemonium lord
349516 | Zig:24   | Killed Ruamup the pandemonium lord
349516 | Zig:24   | Killed Kuexoa the pandemonium lord
349516 | Zig:24   | Killed Ahus Pel the pandemonium lord
349516 | Zig:24   | Killed Luahoih the pandemonium lord
349516 | Zig:24   | Killed Vautoh the pandemonium lord
349516 | Zig:24   | Killed Wet Jot the pandemonium lord
349516 | Zig:24   | Noticed Naghecku the pandemonium lord
349517 | Zig:24   | Killed Pebaan the pandemonium lord
349517 | Zig:24   | Killed Gowneom the pandemonium lord
349517 | Zig:24   | Killed Dycuhuod the pandemonium lord
349517 | Zig:24   | Noticed Jiruf the pandemonium lord
349518 | Zig:24   | Killed Tejoh the pandemonium lord
349518 | Zig:24   | Killed Yputupt the pandemonium lord
349518 | Zig:24   | Noticed Liduvolu the pandemonium lord
349518 | Zig:24   | Noticed Zofuri the pandemonium lord
349519 | Zig:24   | Killed Vyrao the pandemonium lord
349519 | Zig:24   | Noticed Gediamm the pandemonium lord
349520 | Zig:24   | Noticed Veij Ocrorr the pandemonium lord
349520 | Zig:24   | Noticed Heijeluc the pandemonium lord
349520 | Zig:24   | Noticed Ekliss the pandemonium lord
349520 | Zig:24   | Noticed Koveelea the pandemonium lord
349520 | Zig:24   | Noticed Qagogeh the pandemonium lord
349520 | Zig:24   | Noticed Odoudi Tuaco the pandemonium lord
349520 | Zig:24   | Noticed Kiviffiu the pandemonium lord
349520 | Zig:24   | Noticed Bebban the pandemonium lord
349521 | Zig:24   | Killed Akynkief the pandemonium lord
349521 | Zig:24   | Killed Fosecua the pandemonium lord
349521 | Zig:24   | Killed Zofuri the pandemonium lord
349521 | Zig:24   | Killed Ekliss the pandemonium lord
349521 | Zig:24   | Killed Heijeluc the pandemonium lord
349521 | Zig:24   | Killed Jiruf the pandemonium lord
349521 | Zig:24   | Killed Futadu the pandemonium lord
349521 | Zig:24   | Killed Tateac the pandemonium lord
349521 | Zig:24   | Noticed Hubimnah the pandemonium lord
349521 | Zig:24   | Noticed Xuxyorak the pandemonium lord
349522 | Zig:24   | Noticed Ceulirr the pandemonium lord
349522 | Zig:24   | Noticed Kiqopom the pandemonium lord
349522 | Zig:24   | Noticed Waust the pandemonium lord
349522 | Zig:24   | Killed Boumn the pandemonium lord
349523 | Zig:24   | Noticed Pikacrosm the pandemonium lord
349524 | Zig:24   | Killed Liduvolu the pandemonium lord
349524 | Zig:24   | Killed Naurutonn the pandemonium lord
349524 | Zig:24   | Killed Aleivur the pandemonium lord
349524 | Zig:24   | Killed Kiviffiu the pandemonium lord
349524 | Zig:24   | Killed Pikacrosm the pandemonium lord
349524 | Zig:24   | Noticed Faeprafi the pandemonium lord
349524 | Zig:24   | Noticed Arerro Fiti the pandemonium lord
349524 | Zig:24   | Noticed Ruxkinych the pandemonium lord
349525 | Zig:24   | Noticed Nanteivu the pandemonium lord
349525 | Zig:24   | Killed Qagogeh the pandemonium lord
349525 | Zig:24   | Killed Ceulirr the pandemonium lord
349525 | Zig:24   | Killed Waust the pandemonium lord
349525 | Zig:24   | Killed Kiqopom the pandemonium lord
349525 | Zig:24   | Noticed Otoumec the pandemonium lord
349525 | Zig:24   | Killed Naghecku the pandemonium lord
349525 | Zig:24   | Noticed Diacw the pandemonium lord
349526 | Zig:24   | Killed Gediamm the pandemonium lord
349526 | Zig:24   | Killed Koveelea the pandemonium lord
349526 | Zig:24   | Killed Xuxyorak the pandemonium lord
349526 | Zig:24   | Killed Hubimnah the pandemonium lord
349526 | Zig:24   | Noticed Tinkiuq the pandemonium lord
349526 | Zig:24   | Noticed Viar the pandemonium lord
349526 | Zig:24   | Noticed Woatibb the pandemonium lord
349526 | Zig:24   | Noticed Isetwulal the pandemonium lord
349527 | Zig:24   | Noticed Emaza the pandemonium lord
349527 | Zig:24   | Killed Arerro Fiti the pandemonium lord
349527 | Zig:24   | Killed Faeprafi the pandemonium lord
349527 | Zig:24   | Killed Veij Ocrorr the pandemonium lord
349527 | Zig:24   | Killed Ruxkinych the pandemonium lord
349527 | Zig:24   | Killed Odoudi Tuaco the pandemonium lord
349527 | Zig:24   | Killed Nanteivu the pandemonium lord
349527 | Zig:24   | Noticed Tiac the pandemonium lord
349527 | Zig:24   | Noticed Lokecos the pandemonium lord
349527 | Zig:24   | Noticed Enennivo the pandemonium lord
349528 | Zig:24   | Noticed Lomer the pandemonium lord
349529 | Zig:24   | Killed Lomer the pandemonium lord
349529 | Zig:24   | Killed Viar the pandemonium lord
349529 | Zig:24   | Killed Diacw the pandemonium lord
349529 | Zig:24   | Noticed Vireamusm the pandemonium lord
349529 | Zig:24   | Killed Bebban the pandemonium lord
349529 | Zig:24   | Noticed Nunamaitt the pandemonium lord
349530 | Zig:24   | Killed Enennivo the pandemonium lord
349530 | Zig:24   | Killed Emaza the pandemonium lord
349530 | Zig:24   | Killed Isetwulal the pandemonium lord
349530 | Zig:24   | Killed Zeq Dem the pandemonium lord
349530 | Zig:24   | Noticed Etacsese the pandemonium lord
349530 | Zig:24   | Noticed Kowour the pandemonium lord
349530 | Zig:24   | Noticed Ruisoy the pandemonium lord
349531 | Zig:24   | Noticed Safrir the pandemonium lord
349532 | Zig:24   | Noticed Misy the pandemonium lord
349532 | Zig:24   | Noticed Plog the pandemonium lord
349532 | Zig:24   | Noticed Mauxtyav the pandemonium lord
349533 | Zig:24   | Noticed Oxteb the pandemonium lord
349534 | Zig:24   | Noticed Dapnimocw the pandemonium lord
349534 | Zig:24   | Noticed Movesaum the pandemonium lord
349534 | Zig:24   | Noticed Xiuhiax the pandemonium lord
349534 | Zig:24   | Noticed Plog the pandemonium lord
349534 | Zig:24   | Noticed Calyh the pandemonium lord
349534 | Zig:24   | Noticed Wucycued the pandemonium lord
349535 | Zig:24   | Killed Misy the pandemonium lord
349535 | Zig:24   | Banished Xiuhiax the pandemonium lord
349536 | Zig:24   | Killed Etacsese the pandemonium lord
349536 | Zig:24   | Noticed Jocsiops the pandemonium lord
349536 | Zig:24   | Killed Otoumec the pandemonium lord
349536 | Zig:24   | Noticed Xilauczeafo the pandemonium lord
349536 | Zig:24   | Noticed Bifodum the pandemonium lord
349537 | Zig:24   | Noticed Upnaning the pandemonium lord
349537 | Zig:24   | Noticed Raoseune the pandemonium lord
349537 | Zig:24   | Killed Tiac the pandemonium lord
349537 | Zig:24   | Killed Lokecos the pandemonium lord
349537 | Zig:24   | Noticed Vaisucso the pandemonium lord
349538 | Zig:24   | Killed Movesaum the pandemonium lord
349538 | Zig:24   | Killed Tinkiuq the pandemonium lord
349538 | Zig:24   | Killed Vireamusm the pandemonium lord
349538 | Zig:24   | Killed Bifodum the pandemonium lord
349538 | Zig:24   | Killed Kowour the pandemonium lord
349538 | Zig:24   | Noticed Uduguab the pandemonium lord
349538 | Zig:24   | Killed Wucycued the pandemonium lord
349539 | Zig:24   | Killed Safrir the pandemonium lord
349539 | Zig:24   | Killed Xilauczeafo the pandemonium lord
349539 | Zig:24   | Killed Mauxtyav the pandemonium lord
349539 | Zig:24   | Killed Nunamaitt the pandemonium lord
349539 | Zig:24   | Noticed Cisamifo the pandemonium lord
349540 | Zig:24   | Killed Plog the pandemonium lord
349540 | Zig:24   | Killed Calyh the pandemonium lord
349540 | Zig:24   | Killed Voamma the pandemonium lord
349540 | Zig:24   | Killed Plog the pandemonium lord
349541 | Zig:24   | Noticed Xuuliffao the pandemonium lord
349541 | Zig:24   | Noticed Uher the pandemonium lord
349541 | Zig:24   | Noticed Saepotist the pandemonium lord
349541 | Zig:24   | Noticed Gojicys the pandemonium lord
349541 | Zig:24   | Noticed Benoblomn the pandemonium lord
349541 | Zig:24   | Noticed Qoiq Cue the pandemonium lord
349541 | Zig:24   | Noticed Wost the pandemonium lord
349541 | Zig:24   | Noticed Uwasoc the pandemonium lord
349541 | Zig:24   | Killed Raoseune the pandemonium lord
349541 | Zig:24   | Killed Dapnimocw the pandemonium lord
349541 | Zig:24   | Killed Oxteb the pandemonium lord
349541 | Zig:24   | Killed Cisamifo the pandemonium lord
349541 | Zig:24   | Killed Uduguab the pandemonium lord
349541 | Zig:24   | Noticed Jumey the pandemonium lord
349542 | Zig:24   | Noticed Bava the pandemonium lord
349542 | Zig:24   | Killed Upnaning the pandemonium lord
349542 | Zig:24   | Killed Jocsiops the pandemonium lord
349542 | Zig:24   | Killed Xuuliffao the pandemonium lord
349543 | Zig:24   | Noticed Ilimicwa the pandemonium lord
349543 | Zig:24   | Killed Uher the pandemonium lord
349543 | Zig:24   | Noticed Yppeafui the pandemonium lord
349543 | Zig:24   | Noticed Luykubef the pandemonium lord
349544 | Zig:24   | Killed Ilimicwa the pandemonium lord
349544 | Zig:24   | Killed Wost the pandemonium lord
349545 | Zig:24   | Killed Gojicys the pandemonium lord
349547 | Zig:24   | Killed Ruisoy the pandemonium lord
349547 | Zig:24   | Noticed Nataic the pandemonium lord
349547 | Zig:24   | Killed Saepotist the pandemonium lord
349548 | Zig:24   | Noticed Gakur the pandemonium lord
349548 | Zig:24   | Killed Qoiq Cue the pandemonium lord
349549 | Zig:24   | Killed Bava the pandemonium lord
349549 | Zig:24   | Killed Jumey the pandemonium lord
349549 | Zig:24   | Killed Luykubef the pandemonium lord
349549 | Zig:24   | Killed Nataic the pandemonium lord
349550 | Zig:24   | Noticed Bethrex the pandemonium lord
349551 | Zig:24   | Noticed Tatul the pandemonium lord
349551 | Zig:24   | Killed Benoblomn the pandemonium lord
349551 | Zig:24   | Noticed Qiogoej the pandemonium lord
349551 | Zig:24   | Killed Sexy the pandemonium lord
349552 | Zig:24   | Killed Vaisucso the pandemonium lord
349553 | Zig:24   | Killed Bethrex the pandemonium lord
349553 | Zig:24   | Killed Qiogoej the pandemonium lord
349553 | Zig:24   | Killed Uwasoc the pandemonium lord
349554 | Zig:24   | Noticed Hytihuic the pandemonium lord
349555 | Zig:24   | Killed Tatul the pandemonium lord
349555 | Zig:24   | Noticed Mobet the pandemonium lord
349555 | Zig:24   | Noticed Rejybeg the pandemonium lord
349556 | Zig:24   | Killed Hytihuic the pandemonium lord
349556 | Zig:24   | Killed Gakur the pandemonium lord
349556 | Zig:24   | Noticed Atikeh the pandemonium lord
349557 | Zig:24   | Killed Yppeafui the pandemonium lord
349557 | Zig:24   | Noticed Naxtoij the pandemonium lord
349557 | Zig:24   | Noticed Xulujeca the pandemonium lord
349558 | Zig:24   | Noticed Rego the pandemonium lord
349558 | Zig:24   | Killed Woatibb the pandemonium lord
349559 | Zig:24   | Killed Rejybeg the pandemonium lord
349559 | Zig:24   | Killed Ephi the pandemonium lord
349559 | Zig:24   | Killed Naxtoij the pandemonium lord
349559 | Zig:24   | Noticed Toilym the pandemonium lord
349560 | Zig:24   | Killed Mobet the pandemonium lord
349560 | Zig:24   | Noticed Qerem the pandemonium lord
349560 | Zig:24   | Noticed Meih the pandemonium lord
349561 | Zig:24   | Killed Atikeh the pandemonium lord
349561 | Zig:24   | Killed Rego the pandemonium lord
349561 | Zig:24   | Noticed Acruc the pandemonium lord
349562 | Zig:24   | Noticed Zetwaole the pandemonium lord
349563 | Zig:24   | Noticed Uskos the pandemonium lord
349563 | Zig:24   | Killed Uskos the pandemonium lord
349563 | Zig:24   | Noticed Iloceb the pandemonium lord
349563 | Zig:24   | Noticed Daus Bureq the pandemonium lord
349564 | Zig:24   | Noticed Fericze the pandemonium lord
349564 | Zig:24   | Noticed Zasa the pandemonium lord
349564 | Zig:24   | Noticed Koohow the pandemonium lord
349566 | Zig:24   | Killed Iloceb the pandemonium lord
349566 | Zig:24   | Killed Meih the pandemonium lord
349566 | Zig:24   | Noticed Dij Bass the pandemonium lord
349567 | Zig:24   | Killed Zetwaole the pandemonium lord
349567 | Zig:24   | Killed Xulujeca the pandemonium lord
349567 | Zig:24   | Killed Qerem the pandemonium lord
349567 | Zig:24   | Killed Daus Bureq the pandemonium lord
349567 | Zig:24   | Killed Fericze the pandemonium lord
349569 | Zig:24   | Killed Dij Bass the pandemonium lord
349569 | Zig:24   | Killed Koohow the pandemonium lord
349569 | Zig:24   | Killed Zasa the pandemonium lord
349570 | Zig:24   | Killed Acruc the pandemonium lord
349571 | Zig:24   | Killed Toilym the pandemonium lord
349636 | Zig:24   | Identified the +5 spear of Koiprioss {heavy, rC+ Will++
                  | rCorr Dex-3}
349646 | Zig:24   | Identified the +3 eudemon blade "Cacobb" {holy, rF+ Dex+2}
349651 | Zig:24   | Identified the +2 robe of Grace {Will++}
349656 | Zig:24   | Identified the orb of Athecob {guile, Fly rF- Int+7}
349658 | Zig:24   | Identified the +0 chain mail of Moral Flaws {rF++}
349660 | Zig:24   | Identified the staff "Qaidushy" {rF+ Int+3 Fire}
349663 | Zig:24   | Identified the ring "Quhamn" {Will+ Int+6 Dex+3}
349667 | Zig:24   | Identified the staff of Charity {rN++ Int+3 Dex+3 Conj}
349673 | Zig:24   | Identified the +7 executioner's axe "Bufiemid" {drain,
                  | Dex+5}
349677 | Zig:24   | Identified the ring "Geequvy" {Ice *Corrode rPois Str+3
                  | Int+2}
349684 | Zig:24   | Identified the +6 pearl dragon scales "Goujuon" {rN+ Str-5
                  | Int+7 Dex-2 SInv}
349689 | Zig:24   | Identified the +6 eudemon blade of Baapoi {holy, rN+}
349998 | Zig:25   | Entered Level 25 of a ziggurat
350000 | Zig:25   | Paralysed by an air elemental for 1 turns
350030 | Zig:25   | Paralysed by an air elemental for 1 turns
350037 | Zig:25   | Identified the +12 gold dragon scales of Okawaru's Respect
                  | {Harm rPois rF+ rC+ rN+ Int-2}
350045 | Zig:25   | Identified the amulet of Curiosity {Acrobat rCorr Str-5
                  | Stlth+}
350048 | Zig:25   | Identified the +3 war axe "Trog's Anger" {pain, rC+ rN++}
350077 | Zig:25   | Identified the amulet of Bodily Harmony {RegenMP Int+3}
350082 | Zig:25   | Identified the +0 scale mail "Zotsin" {rCorr Str+3}
350084 | Zig:25   | Identified the +0 scimitar of Ysiner Acove {flame, +Blink
                  | Will- rCorr Dex+8}
350092 | Zig:25   | Identified the ring of Elyvilon's Vengeance {rCorr Int+3}
350101 | Zig:25   | Identified the +10 falchion of Mandamus {elec, rPois Int+3}
350104 | Zig:25   | Identified the +7 mace of Ifiemoe {drain, ^Drain rN+
                  | Will++}
350105 | Zig:25   | Identified the +0 scale mail of Summertime {rElec Str+3}
350106 | Zig:25   | Identified the +7 dagger of Tuorusm {venom, SInv}
350107 | Zig:25   | Identified the +7 longbow "Gizubb" {drain, rPois SInv}
350108 | Zig:25   | Identified the +1 broad axe of Duoshum {heavy, rElec rPois
                  | rCorr}
350109 | Zig:25   | Identified the +10 trident of Uskayaw {pain, rCorr MP+9}
350115 | Zig:25   | Identified the +5 long sword "Tuokoitt" {flame, MP+9 Dex+3
                  | Stlth+}
350116 | Zig:25   | Identified the +4 great mace "Voduytsu" {drain, Stlth+}
350119 | Zig:25   | Identified the +9 whip of Terra Nullius {vamp, rC+ rN+
                  | Str+3}
350133 | Zig:25   | Identified the +0 sling "Seluloaj" {speed, rCorr Dex+2}
350137 | Zig:25   | Identified the +0 scale mail of the Furies {*Corrode Regen+
                  | Str+2 Int+4}
350161 | Zig:25   | Identified the +9 plate armour "Radol" {rF+}
350190 | Zig:25   | Identified the +7 war axe "Kenisade" {flame, MP+9 Int+3
                  | Stlth+}
350192 | Zig:25   | Identified the +2 plate armour of the Game of Life {Int+2}
350205 | Zig:25   | Identified the +5 robe "Qotsic" {*Corrode Str+4}
350224 | Zig:25   | Identified the +7 eudemon blade of Gutig {holy, Fly rC+
                  | Stlth+}
350230 | Zig:25   | Identified the +9 shortbow "Xiasear" {speed, Dex+2}
350232 | Zig:25   | Identified the +5 orcbow "Cyrovvut" {antimagic, Int+3
                  | Stlth+}
350241 | Zig:25   | Identified the +8 great sword "Hoogureg" {heavy, rF+ Int+3}
350685 | Zig:25   | Identified the +1 morningstar "Borynem" {flame, rF+ SInv}
350686 | Zig:25   | Identified the +7 glaive of Spite {heavy, *Slow rC+ Will+++
                  | Str+2}
350710 | Zig:26   | Entered Level 26 of a ziggurat
350777 | Zig:26   | Identified the +3 orcbow of the Four Defenders {freeze,
                  | rElec rPois SInv Stlth-}
350809 | Zig:26   | Identified the ring of Abstinence {rElec rPois rN++ Dex+2
                  | Slay-5}
350811 | Zig:26   | Identified the +2 plate armour of Dezyjoo {rPois}
350812 | Zig:26   | Identified the ring of Symmetry {rElec rPois Int-5 SInv
                  | Stlth+}
350814 | Zig:26   | Identified the +10 arbalest of the Eternal Warrior
                  | {antimagic, Str+3 Int+5}
350816 | Zig:26   | Identified the staff of Judgement {rN+ Str+4 Int-3 Necro}
351213 | Zig:26   | Identified the staff of Amorous Offence {*Slow rPois rF+
                  | rN+ Alchemy}
351220 | Zig:26   | Identified the +2 hand cannon of Otiexec {heavy, ^Contam
                  | rElec rCorr}
351227 | Zig:26   | Identified the scarf of Brilliance {rC+ rF+, Fly rPois
                  | rCorr}
351240 | Zig:26   | Identified the staff "Pifuilo" {rElec rF- rC- rCorr Ice
                  | Air}
351243 | Zig:26   | Identified the staff of Earthquakes {rPois Int+9 Dex-3 SInv
                  | Alchemy}
351250 | Zig:26   | Identified the +4 plate armour "Dobbudgh" {rElec rC+ Dex-4}
351253 | Zig:26   | Identified the +9 flail of the Spheres {antimagic, rPois
                  | rF++ rC+}
351262 | Zig:26   | Identified the amulet "Jiluxt" {Reflect rF- Will++ Str+4
                  | Dex+2 SH+5}
351271 | Zig:26   | Identified the staff of Toov {rF+ MP+9 Earth}
351288 | Zig:26   | Identified the death talisman of the Devil {Fly Int+3 Dex-2
                  | SInv}
351296 | Zig:26   | Identified the +2 pair of gloves of the Endless Expanse
                  | {+Blink rC+ Str+2 Slay+3}
351297 | Zig:26   | Identified the +0 robe of Busarphops {Int+3 Slay+2}
351386 | Zig:27   | Entered Level 27 of a ziggurat
351386 | Zig:27   | Noticed a juggernaut
351386 | Zig:27   | Noticed a juggernaut
351386 | Zig:27   | Noticed a juggernaut
351386 | Zig:27   | Noticed a juggernaut
351386 | Zig:27   | Noticed a juggernaut
351386 | Zig:27   | Noticed a juggernaut
351386 | Zig:27   | Noticed a juggernaut
351386 | Zig:27   | Noticed a juggernaut
351386 | Zig:27   | Noticed a juggernaut
351386 | Zig:27   | Noticed a juggernaut
351386 | Zig:27   | Noticed a juggernaut
351386 | Zig:27   | Noticed a juggernaut
351386 | Zig:27   | Noticed a juggernaut
351386 | Zig:27   | Noticed a juggernaut
351386 | Zig:27   | Noticed a juggernaut
351387 | Zig:27   | Noticed a juggernaut
351388 | Zig:27   | Killed a juggernaut
351388 | Zig:27   | Killed a juggernaut
351388 | Zig:27   | Killed a juggernaut
351388 | Zig:27   | Killed a juggernaut
351388 | Zig:27   | Killed a juggernaut
351388 | Zig:27   | Killed a juggernaut
351388 | Zig:27   | Killed a juggernaut
351388 | Zig:27   | Killed a juggernaut
351388 | Zig:27   | Killed a juggernaut
351388 | Zig:27   | Killed a juggernaut
351389 | Zig:27   | Noticed a juggernaut
351390 | Zig:27   | Noticed a juggernaut
351390 | Zig:27   | Killed a juggernaut
351390 | Zig:27   | Killed a juggernaut
351390 | Zig:27   | Killed a juggernaut
351390 | Zig:27   | Killed a juggernaut
351390 | Zig:27   | Killed a juggernaut
351391 | Zig:27   | Noticed a juggernaut
351391 | Zig:27   | Noticed a juggernaut
351392 | Zig:27   | Noticed a juggernaut
351392 | Zig:27   | Noticed a juggernaut
351392 | Zig:27   | Killed a juggernaut
351392 | Zig:27   | Killed a juggernaut
351392 | Zig:27   | Killed a juggernaut
351393 | Zig:27   | Noticed a juggernaut
351393 | Zig:27   | Noticed a juggernaut
351394 | Zig:27   | Killed a juggernaut
351394 | Zig:27   | Killed a juggernaut
351394 | Zig:27   | Killed a juggernaut
351394 | Zig:27   | Killed a juggernaut
351394 | Zig:27   | Noticed a juggernaut
351395 | Zig:27   | Noticed a juggernaut
351395 | Zig:27   | Noticed a juggernaut
351395 | Zig:27   | Noticed a juggernaut
351396 | Zig:27   | Killed a juggernaut
351396 | Zig:27   | Noticed a juggernaut
351396 | Zig:27   | Noticed a juggernaut
351396 | Zig:27   | Noticed a juggernaut
351396 | Zig:27   | Noticed a juggernaut
351397 | Zig:27   | Noticed a juggernaut
351397 | Zig:27   | Noticed a juggernaut
351397 | Zig:27   | Noticed a juggernaut
351397 | Zig:27   | Noticed a juggernaut
351397 | Zig:27   | Noticed a juggernaut
351397 | Zig:27   | Noticed a juggernaut
351397 | Zig:27   | Noticed a juggernaut
351397 | Zig:27   | Noticed a juggernaut
351398 | Zig:27   | Noticed a juggernaut
351398 | Zig:27   | Killed a juggernaut
351398 | Zig:27   | Killed a juggernaut
351398 | Zig:27   | Killed a juggernaut
351398 | Zig:27   | Killed a juggernaut
351398 | Zig:27   | Killed a juggernaut
351398 | Zig:27   | Killed a juggernaut
351398 | Zig:27   | Killed a juggernaut
351398 | Zig:27   | Killed a juggernaut
351399 | Zig:27   | Noticed a juggernaut
351399 | Zig:27   | Killed a juggernaut
351399 | Zig:27   | Noticed a juggernaut
351400 | Zig:27   | Killed a juggernaut
351400 | Zig:27   | Killed a juggernaut
351400 | Zig:27   | Killed a juggernaut
351400 | Zig:27   | Killed a juggernaut
351400 | Zig:27   | Killed a juggernaut
351400 | Zig:27   | Killed a juggernaut
351400 | Zig:27   | Killed a juggernaut
351400 | Zig:27   | Killed a juggernaut
351400 | Zig:27   | Noticed a juggernaut
351400 | Zig:27   | Noticed a juggernaut
351401 | Zig:27   | Noticed a juggernaut
351401 | Zig:27   | Killed a juggernaut
351401 | Zig:27   | Noticed a juggernaut
351402 | Zig:27   | Killed a juggernaut
351402 | Zig:27   | Killed a juggernaut
351402 | Zig:27   | Noticed a juggernaut
351402 | Zig:27   | Noticed a juggernaut
351402 | Zig:27   | Noticed a juggernaut
351402 | Zig:27   | Noticed a juggernaut
351402 | Zig:27   | Noticed a juggernaut
351403 | Zig:27   | Noticed a juggernaut
351403 | Zig:27   | Killed a juggernaut
351404 | Zig:27   | Killed a juggernaut
351404 | Zig:27   | Killed a juggernaut
351405 | Zig:27   | Noticed a juggernaut
351405 | Zig:27   | Noticed a juggernaut
351405 | Zig:27   | Noticed a juggernaut
351405 | Zig:27   | Killed a juggernaut
351405 | Zig:27   | Killed a juggernaut
351406 | Zig:27   | Killed a juggernaut
351406 | Zig:27   | Killed a juggernaut
351406 | Zig:27   | Killed a juggernaut
351406 | Zig:27   | Killed a juggernaut
351406 | Zig:27   | Killed a juggernaut
351406 | Zig:27   | Killed a juggernaut
351406 | Zig:27   | Noticed a juggernaut
351406 | Zig:27   | Noticed a juggernaut
351406 | Zig:27   | Noticed a juggernaut
351406 | Zig:27   | Noticed a juggernaut
351408 | Zig:27   | Killed a juggernaut
351409 | Zig:27   | Noticed a juggernaut
351410 | Zig:27   | Killed a juggernaut
351410 | Zig:27   | Killed a juggernaut
351410 | Zig:27   | Killed a juggernaut
351411 | Zig:27   | Noticed a juggernaut
351412 | Zig:27   | Killed a juggernaut
351412 | Zig:27   | Killed a juggernaut
351413 | Zig:27   | Noticed a juggernaut
351414 | Zig:27   | Killed a juggernaut
351414 | Zig:27   | Killed a juggernaut
351414 | Zig:27   | Killed a juggernaut
351415 | Zig:27   | Noticed a juggernaut
351416 | Zig:27   | Noticed a juggernaut
351418 | Zig:27   | Killed a juggernaut
351420 | Zig:27   | Killed a juggernaut
351425 | Zig:27   | Identified the +1 robe of Incorporation {rF+ Dex+2}
351430 | Zig:27   | Identified the +2 short sword of Disharmony {drain, Int+2
                  | Dex+3}
351465 | Zig:27   | Identified the amulet of Iwecs {Reflect rElec rPois rC-
                  | Str+3 SH+5}
351472 | Zig:27   | Identified the ring "Paoroo" {Fire rElec Will+ Int+4 Dex+3}
351474 | Zig:27   | Identified the +11 great sword of Youthful Indiscretion
                  | {venom, Str+3}
351481 | Zig:27   | Identified the ring of Kyte Byu {rC+ Will++ Str-5 Int+6
                  | Stlth+}
351483 | Zig:27   | Identified the +2 plate armour "Xyanumut" {Will+ SInv}
351547 | Zig:27   | Identified the +6 mace of the Unkillable {vamp, rC+ Will+}
351556 | Zig:27   | Identified the +4 gold dragon scales of Quefi {Rampage
                  | rPois rF+ rC+ rCorr}
351559 | Zig:27   | Identified the +14 chain mail of Viq Je Cuoci {rElec Str+2
                  | Stlth+}
351609 | Zig:27   | Identified the +4 short sword "Naoggenn" {freeze, Will+}
351610 | Zig:27   | Identified the +9 battleaxe of the Carved God {pain, *Noise
                  | rN+ rCorr Str+4}
351620 | Zig:27   | Identified the +3 flail "Xeqell" {distort, rC- Str+4 Dex-3
                  | SInv}
351663 | Zig:27   | Identified the +0 ring mail "Damnable Contraption" {-Cast
                  | rC+ Str+5}
351671 | Zig:27   | Identified the +5 eudemon blade "Concordance" {holy, Dex+3}
351681 | Zig:27   | Identified the +8 eudemon blade of Evil {holy, *Rage rElec
                  | rN+ SInv}
351685 | Zig:27   | Identified the +8 chain mail of Camor {rF+}
351715 | Zig:27   | Identified the ring of Tunaliupp {AC+4 Slay+4}
351735 | Zig:27   | Identified the +1 quarterstaff of Brutal Revenge {spect,
                  | rPois}
352138 | Depths:3 | Acquired 1152 gold pieces
352139 | Depths:3 | Acquired 808 gold pieces
352140 | Depths:3 | Acquired 647 gold pieces
352141 | Depths:3 | Acquired 1030 gold pieces
352142 | Depths:3 | Acquired 745 gold pieces
352143 | Depths:3 | Acquired 794 gold pieces
352144 | Depths:3 | Acquired 827 gold pieces
352145 | Depths:3 | Acquired 958 gold pieces
352146 | Depths:3 | Acquired 963 gold pieces
352147 | Depths:3 | Acquired 823 gold pieces
352178 | Zig:1    | Entered Level 1 of a ziggurat
352288 | Zig:2    | Entered Level 2 of a ziggurat
352453 | Zig:3    | Entered Level 3 of a ziggurat
352502 | Zig:3    | Identified the +1 pair of gloves of Jeat Ymu {Str+3}
352523 | Zig:3    | Identified the orb of the Four of Swords {light, rN+ Regen+
                  | Str+6 Fire}
352533 | Zig:3    | Identified the +0 leather armour of Amebiav {*Slow rElec
                  | rC+ Int+5}
352669 | Zig:4    | Entered Level 4 of a ziggurat
352669 | Zig:4    | Noticed a juggernaut
352669 | Zig:4    | Noticed a juggernaut
352669 | Zig:4    | Noticed a juggernaut
352669 | Zig:4    | Noticed a juggernaut
352669 | Zig:4    | Noticed a juggernaut
352669 | Zig:4    | Noticed a juggernaut
352670 | Zig:4    | Killed a juggernaut
352670 | Zig:4    | Noticed a juggernaut
352672 | Zig:4    | Killed a juggernaut
352672 | Zig:4    | Killed a juggernaut
352672 | Zig:4    | Killed a juggernaut
352672 | Zig:4    | Killed a juggernaut
352676 | Zig:4    | Killed a juggernaut
352676 | Zig:4    | Killed a juggernaut
352717 | Zig:4    | Identified the +0 acid dragon scales of a Gauntlet {Will++
                  | rCorr Dex+2}
352855 | Zig:4    | Identified the ring of Midwinter {EV+5 Int+3}
352883 | Zig:5    | Entered Level 5 of a ziggurat
352883 | Zig:5    | Noticed Goykucz Coirgh the pandemonium lord
352883 | Zig:5    | Noticed Gilir the pandemonium lord
352883 | Zig:5    | Noticed Ownofab the pandemonium lord
352883 | Zig:5    | Noticed Xicaamy the pandemonium lord
352883 | Zig:5    | Noticed Figh the pandemonium lord
352883 | Zig:5    | Noticed Uciyg the pandemonium lord
352883 | Zig:5    | Noticed Digih the pandemonium lord
352883 | Zig:5    | Noticed Kaff the pandemonium lord
352883 | Zig:5    | Noticed Vimif the pandemonium lord
352883 | Zig:5    | Noticed Wugecuda the pandemonium lord
352883 | Zig:5    | Noticed Zoram the pandemonium lord
352883 | Zig:5    | Noticed Jaivusy the pandemonium lord
352883 | Zig:5    | Noticed Vagu the pandemonium lord
352883 | Zig:5    | Noticed Zubacu Zahu the pandemonium lord
352883 | Zig:5    | Noticed Qirepos the pandemonium lord
352883 | Zig:5    | Noticed Hics the pandemonium lord
352883 | Zig:5    | Noticed Teonn the pandemonium lord
352883 | Zig:5    | Noticed Rutobal the pandemonium lord
352883 | Zig:5    | Noticed Ytsahuw the pandemonium lord
352883 | Zig:5    | Noticed Besodol the pandemonium lord
352883 | Zig:5    | Noticed Benoh the pandemonium lord
352884 | Zig:5    | Killed Ownofab the pandemonium lord
352884 | Zig:5    | Noticed Qacug the pandemonium lord
352886 | Zig:5    | Killed Zoram the pandemonium lord
352887 | Zig:5    | Killed Jaivusy the pandemonium lord
352887 | Zig:5    | Killed Rutobal the pandemonium lord
352887 | Zig:5    | Killed Qirepos the pandemonium lord
352887 | Zig:5    | Killed Uciyg the pandemonium lord
352887 | Zig:5    | Killed Vagu the pandemonium lord
352887 | Zig:5    | Noticed Xewkad the pandemonium lord
352887 | Zig:5    | Killed Goykucz Coirgh the pandemonium lord
352887 | Zig:5    | Noticed Oretelyk the pandemonium lord
352887 | Zig:5    | Killed Digih the pandemonium lord
352888 | Zig:5    | Killed Besodol the pandemonium lord
352888 | Zig:5    | Killed Teonn the pandemonium lord
352888 | Zig:5    | Killed Wugecuda the pandemonium lord
352888 | Zig:5    | Killed Vimif the pandemonium lord
352888 | Zig:5    | Killed Ytsahuw the pandemonium lord
352888 | Zig:5    | Noticed Boun the pandemonium lord
352888 | Zig:5    | Noticed Mokah the pandemonium lord
352888 | Zig:5    | Killed Zubacu Zahu the pandemonium lord
352889 | Zig:5    | Killed Benoh the pandemonium lord
352889 | Zig:5    | Killed Hics the pandemonium lord
352889 | Zig:5    | Killed Xicaamy the pandemonium lord
352889 | Zig:5    | Killed Figh the pandemonium lord
352890 | Zig:5    | Noticed Niqoozoy the pandemonium lord
352890 | Zig:5    | Noticed Daawk the pandemonium lord
352890 | Zig:5    | Noticed Teeg Jab the pandemonium lord
352890 | Zig:5    | Noticed Busaxiech the pandemonium lord
352891 | Zig:5    | Killed Mokah the pandemonium lord
352891 | Zig:5    | Killed Qacug the pandemonium lord
352891 | Zig:5    | Killed Kaff the pandemonium lord
352891 | Zig:5    | Killed Oretelyk the pandemonium lord
352892 | Zig:5    | Noticed Iggegel the pandemonium lord
352892 | Zig:5    | Noticed Busafob the pandemonium lord
352892 | Zig:5    | Noticed Nubra the pandemonium lord
352892 | Zig:5    | Noticed Fibez the pandemonium lord
352892 | Zig:5    | Noticed Siggutzo the pandemonium lord
352892 | Zig:5    | Noticed Ryhet the pandemonium lord
352892 | Zig:5    | Killed Gilir the pandemonium lord
352892 | Zig:5    | Noticed Tege the pandemonium lord
352892 | Zig:5    | Noticed Vonk the pandemonium lord
352893 | Zig:5    | Killed Niqoozoy the pandemonium lord
352893 | Zig:5    | Killed Xewkad the pandemonium lord
352893 | Zig:5    | Noticed Lasm the pandemonium lord
352894 | Zig:5    | Noticed Eqont the pandemonium lord
352894 | Zig:5    | Killed Boun the pandemonium lord
352894 | Zig:5    | Killed Fibez the pandemonium lord
352894 | Zig:5    | Killed Busaxiech the pandemonium lord
352894 | Zig:5    | Noticed Ojom the pandemonium lord
352894 | Zig:5    | Noticed Ikhlyadi the pandemonium lord
352895 | Zig:5    | Killed Nubra the pandemonium lord
352895 | Zig:5    | Killed Daawk the pandemonium lord
352896 | Zig:5    | Killed Tege the pandemonium lord
352896 | Zig:5    | Killed Vonk the pandemonium lord
352896 | Zig:5    | Killed Eqont the pandemonium lord
352896 | Zig:5    | Killed Teeg Jab the pandemonium lord
352896 | Zig:5    | Killed Ryhet the pandemonium lord
352897 | Zig:5    | Killed Ikhlyadi the pandemonium lord
352897 | Zig:5    | Killed Lasm the pandemonium lord
352897 | Zig:5    | Killed Siggutzo the pandemonium lord
352897 | Zig:5    | Noticed Saacasch the pandemonium lord
352898 | Zig:5    | Killed Iggegel the pandemonium lord
352898 | Zig:5    | Killed Ojom the pandemonium lord
352898 | Zig:5    | Noticed Waorukh the pandemonium lord
352900 | Zig:5    | Killed Busafob the pandemonium lord
352900 | Zig:5    | Noticed Dutuoxokh the pandemonium lord
352902 | Zig:5    | Killed Waorukh the pandemonium lord
352904 | Zig:5    | Killed Saacasch the pandemonium lord
352904 | Zig:5    | Killed Dutuoxokh the pandemonium lord
353148 | Zig:6    | Entered Level 6 of a ziggurat
353148 | Zig:6    | Noticed an ancient lich
353153 | Zig:6    | Killed an ancient lich
353344 | Zig:6    | Identified the +4 war axe "Yric" {drain, rC+ MP+9}
353360 | Zig:6    | Identified the +3 eudemon blade of Ximnucw {holy, rF+ rN++
                  | Dex+5}
353378 | Zig:6    | Identified the +6 chain mail of Entitlement {Rampage Will+
                  | Dex+2}
353393 | Zig:7    | Entered Level 7 of a ziggurat
353393 | Zig:7    | Noticed Harano Mips the pandemonium lord
353393 | Zig:7    | Noticed Beqeqil the pandemonium lord
353393 | Zig:7    | Noticed Gasteghits the pandemonium lord
353393 | Zig:7    | Noticed Pueng the pandemonium lord
353393 | Zig:7    | Noticed Laxtaxko the pandemonium lord
353393 | Zig:7    | Noticed Raic Jea the pandemonium lord
353393 | Zig:7    | Noticed Ceag the pandemonium lord
353393 | Zig:7    | Noticed Watashre the pandemonium lord
353393 | Zig:7    | Noticed Fitoppetso the pandemonium lord
353393 | Zig:7    | Noticed Raimu the pandemonium lord
353393 | Zig:7    | Noticed Sale the pandemonium lord
353393 | Zig:7    | Noticed Xuqi the pandemonium lord
353393 | Zig:7    | Noticed Ituak the pandemonium lord
353393 | Zig:7    | Noticed Neyduyt the pandemonium lord
353393 | Zig:7    | Noticed Zateexo the pandemonium lord
353393 | Zig:7    | Noticed Qofun the pandemonium lord
353393 | Zig:7    | Noticed Iziucil the pandemonium lord
353393 | Zig:7    | Noticed Saapuups the pandemonium lord
353393 | Zig:7    | Noticed Fifow the pandemonium lord
353393 | Zig:7    | Noticed Uruipsu the pandemonium lord
353393 | Zig:7    | Noticed Bifoit the pandemonium lord
353393 | Zig:7    | Noticed Riw Gibu the pandemonium lord
353393 | Zig:7    | Noticed Tis Zecs the pandemonium lord
353393 | Zig:7    | Noticed Jishrem the pandemonium lord
353394 | Zig:7    | Killed Bifoit the pandemonium lord
353394 | Zig:7    | Noticed Nysukh the pandemonium lord
353394 | Zig:7    | Noticed Vuofokh the pandemonium lord
353395 | Zig:7    | Noticed Gyfuozuq the pandemonium lord
353395 | Zig:7    | Noticed Wifick the pandemonium lord
353395 | Zig:7    | Noticed Xaumuelodi the pandemonium lord
353396 | Zig:7    | Killed Iziucil the pandemonium lord
353396 | Zig:7    | Killed Tis Zecs the pandemonium lord
353396 | Zig:7    | Killed Gasteghits the pandemonium lord
353396 | Zig:7    | Killed Laxtaxko the pandemonium lord
353396 | Zig:7    | Killed Riw Gibu the pandemonium lord
353396 | Zig:7    | Noticed Burghi the pandemonium lord
353396 | Zig:7    | Noticed Geanuu the pandemonium lord
353397 | Zig:7    | Killed Ituak the pandemonium lord
353397 | Zig:7    | Killed Saapuups the pandemonium lord
353397 | Zig:7    | Killed Watashre the pandemonium lord
353397 | Zig:7    | Killed Jishrem the pandemonium lord
353397 | Zig:7    | Killed Uruipsu the pandemonium lord
353397 | Zig:7    | Killed Zateexo the pandemonium lord
353397 | Zig:7    | Killed Xuqi the pandemonium lord
353397 | Zig:7    | Killed Neyduyt the pandemonium lord
353397 | Zig:7    | Noticed Ampapperch the pandemonium lord
353397 | Zig:7    | Noticed Emoluemo the pandemonium lord
353398 | Zig:7    | Killed Sale the pandemonium lord
353398 | Zig:7    | Killed Fifow the pandemonium lord
353398 | Zig:7    | Killed Raic Jea the pandemonium lord
353398 | Zig:7    | Killed Pueng the pandemonium lord
353398 | Zig:7    | Killed Harano Mips the pandemonium lord
353398 | Zig:7    | Noticed Ywoso the pandemonium lord
353398 | Zig:7    | Killed Gyfuozuq the pandemonium lord
353399 | Zig:7    | Noticed Ownan the pandemonium lord
353399 | Zig:7    | Killed Qofun the pandemonium lord
353399 | Zig:7    | Noticed Xiotei the pandemonium lord
353399 | Zig:7    | Noticed Dofamuan the pandemonium lord
353399 | Zig:7    | Killed Fitoppetso the pandemonium lord
353399 | Zig:7    | Killed Burghi the pandemonium lord
353400 | Zig:7    | Killed Ampapperch the pandemonium lord
353400 | Zig:7    | Killed Vuofokh the pandemonium lord
353400 | Zig:7    | Killed Beqeqil the pandemonium lord
353400 | Zig:7    | Killed Wifick the pandemonium lord
353400 | Zig:7    | Noticed Pempas the pandemonium lord
353401 | Zig:7    | Killed Xiotei the pandemonium lord
353401 | Zig:7    | Killed Geanuu the pandemonium lord
353401 | Zig:7    | Noticed Cetz the pandemonium lord
353401 | Zig:7    | Killed Dofamuan the pandemonium lord
353401 | Zig:7    | Noticed Basini the pandemonium lord
353401 | Zig:7    | Killed Emoluemo the pandemonium lord
353402 | Zig:7    | Killed Cetz the pandemonium lord
353402 | Zig:7    | Noticed Jashrac the pandemonium lord
353403 | Zig:7    | Killed Xaumuelodi the pandemonium lord
353403 | Zig:7    | Killed Basini the pandemonium lord
353403 | Zig:7    | Killed Raimu the pandemonium lord
353403 | Zig:7    | Killed Pempas the pandemonium lord
353403 | Zig:7    | Noticed Ychijouq the pandemonium lord
353403 | Zig:7    | Noticed Funibromu the pandemonium lord
353403 | Zig:7    | Noticed Fuk Foss the pandemonium lord
353404 | Zig:7    | Noticed Irewn the pandemonium lord
353404 | Zig:7    | Noticed Roekead the pandemonium lord
353404 | Zig:7    | Noticed Jaigot the pandemonium lord
353404 | Zig:7    | Noticed Kacwygext the pandemonium lord
353404 | Zig:7    | Noticed Fuetseh the pandemonium lord
353404 | Zig:7    | Noticed Reasm the pandemonium lord
353404 | Zig:7    | Banished Funibromu the pandemonium lord
353404 | Zig:7    | Noticed Ozioh the pandemonium lord
353405 | Zig:7    | Killed Ownan the pandemonium lord
353405 | Zig:7    | Killed Ywoso the pandemonium lord
353405 | Zig:7    | Killed Nysukh the pandemonium lord
353405 | Zig:7    | Killed Ozioh the pandemonium lord
353405 | Zig:7    | Killed Ceag the pandemonium lord
353405 | Zig:7    | Noticed Ohiazyiw the pandemonium lord
353406 | Zig:7    | Killed Roekead the pandemonium lord
353406 | Zig:7    | Killed Jaigot the pandemonium lord
353406 | Zig:7    | Killed Irewn the pandemonium lord
353408 | Zig:7    | Killed Fuetseh the pandemonium lord
353408 | Zig:7    | Killed Ohiazyiw the pandemonium lord
353408 | Zig:7    | Killed Reasm the pandemonium lord
353408 | Zig:7    | Banished Fuk Foss the pandemonium lord
353409 | Zig:7    | Killed Ychijouq the pandemonium lord
353409 | Zig:7    | Killed Jashrac the pandemonium lord
353409 | Zig:7    | Noticed Ryexkar the pandemonium lord
353410 | Zig:7    | Noticed Huhis the pandemonium lord
353411 | Zig:7    | Noticed Eploim the pandemonium lord
353411 | Zig:7    | Noticed Joytewosh the pandemonium lord
353413 | Zig:7    | Killed Kacwygext the pandemonium lord
353413 | Zig:7    | Killed Eploim the pandemonium lord
353413 | Zig:7    | Noticed Myrrim the pandemonium lord
353414 | Zig:7    | Noticed Tiaf the pandemonium lord
353414 | Zig:7    | Killed Huhis the pandemonium lord
353416 | Zig:7    | Killed Ryexkar the pandemonium lord
353416 | Zig:7    | Killed Myrrim the pandemonium lord
353416 | Zig:7    | Noticed Ogexzet the pandemonium lord
353416 | Zig:7    | Noticed Ocoxuape the pandemonium lord
353418 | Zig:7    | Noticed Addin the pandemonium lord
353419 | Zig:7    | Killed Tiaf the pandemonium lord
353420 | Zig:7    | Killed Joytewosh the pandemonium lord
353420 | Zig:7    | Killed Ocoxuape the pandemonium lord
353422 | Zig:7    | Killed Ogexzet the pandemonium lord
353423 | Zig:7    | Killed Addin the pandemonium lord
353672 | Zig:8    | Entered Level 8 of a ziggurat
353672 | Zig:8    | Noticed Inixef the pandemonium lord
353672 | Zig:8    | Noticed Borph the pandemonium lord
353672 | Zig:8    | Noticed Kohont the pandemonium lord
353672 | Zig:8    | Noticed Buhui the pandemonium lord
353672 | Zig:8    | Noticed Ysoeqici the pandemonium lord
353672 | Zig:8    | Noticed Hiemuy the pandemonium lord
353672 | Zig:8    | Noticed Wogon the pandemonium lord
353672 | Zig:8    | Noticed Geoh the pandemonium lord
353672 | Zig:8    | Noticed Agor the pandemonium lord
353672 | Zig:8    | Noticed Qocraoli the pandemonium lord
353672 | Zig:8    | Noticed Damukh the pandemonium lord
353672 | Zig:8    | Noticed Ohaphethi the pandemonium lord
353672 | Zig:8    | Noticed Gyemiceq the pandemonium lord
353672 | Zig:8    | Noticed Tohy the pandemonium lord
353672 | Zig:8    | Noticed Jacvykk the pandemonium lord
353672 | Zig:8    | Noticed Lagigaxy the pandemonium lord
353672 | Zig:8    | Noticed Moloty the pandemonium lord
353672 | Zig:8    | Noticed Gico the pandemonium lord
353672 | Zig:8    | Noticed Qaka Yno the pandemonium lord
353672 | Zig:8    | Noticed Jaogul the pandemonium lord
353672 | Zig:8    | Noticed Megrah the pandemonium lord
353672 | Zig:8    | Noticed Hadiar the pandemonium lord
353672 | Zig:8    | Noticed Bedot the pandemonium lord
353672 | Zig:8    | Noticed Vuedeshob the pandemonium lord
353672 | Zig:8    | Noticed Icvor the pandemonium lord
353672 | Zig:8    | Noticed Xenkoxoj the pandemonium lord
353672 | Zig:8    | Noticed Botzau the pandemonium lord
353672 | Zig:8    | Noticed Kuducom the pandemonium lord
353672 | Zig:8    | Noticed Bopeihaw the pandemonium lord
353672 | Zig:8    | Noticed Xovao the pandemonium lord
353672 | Zig:8    | Noticed Seoweg the pandemonium lord
353672 | Zig:8    | Noticed Guonit the pandemonium lord
353672 | Zig:8    | Noticed Dohiruff the pandemonium lord
353672 | Zig:8    | Noticed Xiawn the pandemonium lord
353672 | Zig:8    | Noticed Otitep the pandemonium lord
353672 | Zig:8    | Noticed Homnyx the pandemonium lord
353672 | Zig:8    | Noticed Viwnid the pandemonium lord
353672 | Zig:8    | Noticed Umona the pandemonium lord
353672 | Zig:8    | Noticed Juqiewao the pandemonium lord
353672 | Zig:8    | Noticed Bitt the pandemonium lord
353672 | Zig:8    | Noticed Simirum the pandemonium lord
353673 | Zig:8    | Killed Juqiewao the pandemonium lord
353673 | Zig:8    | Noticed Daifeet the pandemonium lord
353674 | Zig:8    | Killed Gico the pandemonium lord
353675 | Zig:8    | Noticed Ekam the pandemonium lord
353675 | Zig:8    | Killed Gyemiceq the pandemonium lord
353675 | Zig:8    | Killed Inixef the pandemonium lord
353675 | Zig:8    | Killed Borph the pandemonium lord
353675 | Zig:8    | Noticed Kywkemp the pandemonium lord
353675 | Zig:8    | Noticed Maupiqapn the pandemonium lord
353676 | Zig:8    | Killed Homnyx the pandemonium lord
353676 | Zig:8    | Killed Bopeihaw the pandemonium lord
353677 | Zig:8    | Killed Dohiruff the pandemonium lord
353677 | Zig:8    | Killed Guonit the pandemonium lord
353677 | Zig:8    | Killed Umona the pandemonium lord
353677 | Zig:8    | Killed Viwnid the pandemonium lord
353677 | Zig:8    | Killed Kuducom the pandemonium lord
353677 | Zig:8    | Killed Otitep the pandemonium lord
353677 | Zig:8    | Killed Botzau the pandemonium lord
353677 | Zig:8    | Killed Hiemuy the pandemonium lord
353677 | Zig:8    | Killed Xiawn the pandemonium lord
353678 | Zig:8    | Noticed Xaxtivuu the pandemonium lord
353678 | Zig:8    | Noticed Ruaceu the pandemonium lord
353678 | Zig:8    | Noticed Uzanevo the pandemonium lord
353678 | Zig:8    | Noticed Ykloaclu the pandemonium lord
353678 | Zig:8    | Noticed Axuung the pandemonium lord
353678 | Zig:8    | Noticed Wuf Lico the pandemonium lord
353678 | Zig:8    | Killed Moloty the pandemonium lord
353678 | Zig:8    | Killed Simirum the pandemonium lord
353678 | Zig:8    | Killed Seoweg the pandemonium lord
353678 | Zig:8    | Killed Icvor the pandemonium lord
353678 | Zig:8    | Killed Xenkoxoj the pandemonium lord
353678 | Zig:8    | Killed Damukh the pandemonium lord
353678 | Zig:8    | Killed Tohy the pandemonium lord
353678 | Zig:8    | Killed Agor the pandemonium lord
353678 | Zig:8    | Killed Bedot the pandemonium lord
353678 | Zig:8    | Killed Bitt the pandemonium lord
353678 | Zig:8    | Killed Ohaphethi the pandemonium lord
353678 | Zig:8    | Killed Lagigaxy the pandemonium lord
353679 | Zig:8    | Noticed Leraapp the pandemonium lord
353679 | Zig:8    | Killed Vuedeshob the pandemonium lord
353679 | Zig:8    | Killed Hadiar the pandemonium lord
353680 | Zig:8    | Killed Qocraoli the pandemonium lord
353680 | Zig:8    | Killed Ekam the pandemonium lord
353680 | Zig:8    | Noticed Toloz the pandemonium lord
353681 | Zig:8    | Killed Xovao the pandemonium lord
353681 | Zig:8    | Killed Jacvykk the pandemonium lord
353681 | Zig:8    | Killed Daifeet the pandemonium lord
353681 | Zig:8    | Killed Wogon the pandemonium lord
353681 | Zig:8    | Killed Ysoeqici the pandemonium lord
353681 | Zig:8    | Killed Buhui the pandemonium lord
353682 | Zig:8    | Killed Kywkemp the pandemonium lord
353682 | Zig:8    | Killed Ruaceu the pandemonium lord
353682 | Zig:8    | Killed Megrah the pandemonium lord
353682 | Zig:8    | Killed Uzanevo the pandemonium lord
353682 | Zig:8    | Killed Axuung the pandemonium lord
353684 | Zig:8    | Killed Qaka Yno the pandemonium lord
353684 | Zig:8    | Killed Kohont the pandemonium lord
353684 | Zig:8    | Noticed Deliuguo the pandemonium lord
353684 | Zig:8    | Noticed Xajaf the pandemonium lord
353684 | Zig:8    | Noticed Plog the pandemonium lord
353685 | Zig:8    | Killed Maupiqapn the pandemonium lord
353685 | Zig:8    | Noticed Nauwoe the pandemonium lord
353686 | Zig:8    | Killed Leraapp the pandemonium lord
353686 | Zig:8    | Killed Xaxtivuu the pandemonium lord
353686 | Zig:8    | Killed Jaogul the pandemonium lord
353686 | Zig:8    | Killed Geoh the pandemonium lord
353686 | Zig:8    | Killed Toloz the pandemonium lord
353686 | Zig:8    | Noticed Xuqu Midopai the pandemonium lord
353686 | Zig:8    | Noticed Apaykhlia the pandemonium lord
353686 | Zig:8    | Noticed Ukeppoir the pandemonium lord
353686 | Zig:8    | Noticed Guip the pandemonium lord
353687 | Zig:8    | Killed Deliuguo the pandemonium lord
353687 | Zig:8    | Killed Ykloaclu the pandemonium lord
353687 | Zig:8    | Noticed Ruluq the pandemonium lord
353689 | Zig:8    | Killed Plog the pandemonium lord
353689 | Zig:8    | Killed Nauwoe the pandemonium lord
353689 | Zig:8    | Killed Ruluq the pandemonium lord
353689 | Zig:8    | Killed Apaykhlia the pandemonium lord
353689 | Zig:8    | Killed Xuqu Midopai the pandemonium lord
353689 | Zig:8    | Noticed Ugeot the pandemonium lord
353690 | Zig:8    | Killed Guip the pandemonium lord
353690 | Zig:8    | Noticed Pef Pae the pandemonium lord
353690 | Zig:8    | Killed Xajaf the pandemonium lord
353691 | Zig:8    | Noticed Ynafy the pandemonium lord
353692 | Zig:8    | Killed Wuf Lico the pandemonium lord
353692 | Zig:8    | Killed Ukeppoir the pandemonium lord
353692 | Zig:8    | Noticed Onegoxa the pandemonium lord
353693 | Zig:8    | Killed Ynafy the pandemonium lord
353694 | Zig:8    | Noticed Gillapea the pandemonium lord
353694 | Zig:8    | Killed Pef Pae the pandemonium lord
353694 | Zig:8    | Noticed Rass the pandemonium lord
353694 | Zig:8    | Noticed Xuvos the pandemonium lord
353695 | Zig:8    | Killed Ugeot the pandemonium lord
353695 | Zig:8    | Noticed Zealyrph the pandemonium lord
353695 | Zig:8    | Noticed Efic the pandemonium lord
353696 | Zig:8    | Noticed Ibroadea the pandemonium lord
353697 | Zig:8    | Killed Xuvos the pandemonium lord
353697 | Zig:8    | Killed Efic the pandemonium lord
353697 | Zig:8    | Noticed Qoalobie the pandemonium lord
353697 | Zig:8    | Noticed Inunkak the pandemonium lord
353697 | Zig:8    | Killed Ibroadea the pandemonium lord
353698 | Zig:8    | Noticed Zapimn the pandemonium lord
353699 | Zig:8    | Killed Zealyrph the pandemonium lord
353699 | Zig:8    | Killed Rass the pandemonium lord
353701 | Zig:8    | Killed Qoalobie the pandemonium lord
353701 | Zig:8    | Killed Kuass the pandemonium lord
353702 | Zig:8    | Noticed Aryutox the pandemonium lord
353703 | Zig:8    | Killed Zada the pandemonium lord
353703 | Zig:8    | Killed Zapimn the pandemonium lord
353703 | Zig:8    | Killed Gillapea the pandemonium lord
353703 | Zig:8    | Killed Onegoxa the pandemonium lord
353704 | Zig:8    | Noticed Obopiz the pandemonium lord
353705 | Zig:8    | Noticed Yfoimpob the pandemonium lord
353705 | Zig:8    | Noticed Dyheni the pandemonium lord
353706 | Zig:8    | Killed Inunkak the pandemonium lord
353706 | Zig:8    | Killed Dyheni the pandemonium lord
353706 | Zig:8    | Killed Yfoimpob the pandemonium lord
353706 | Zig:8    | Noticed Hihaoqeese the pandemonium lord
353707 | Zig:8    | Noticed Geps the pandemonium lord
353708 | Zig:8    | Killed Obopiz the pandemonium lord
353708 | Zig:8    | Killed Aryutox the pandemonium lord
353710 | Zig:8    | Killed Geps the pandemonium lord
353710 | Zig:8    | Killed Hihaoqeese the pandemonium lord
353872 | Zig:8    | Identified the ring "Sykhlecw" {Fly Slay+5 Stlth+}
353874 | Zig:8    | Identified the +7 halberd "Embalmer" {freeze, *Rage rElec
                  | rPois rCorr}
353877 | Zig:8    | Identified the ring "Depleren" {rN+ Str+4 Dex+4}
354056 | Zig:9    | Entered Level 9 of a ziggurat
354056 | Zig:9    | Noticed Dioriuv the pandemonium lord
354056 | Zig:9    | Noticed Voliercha the pandemonium lord
354056 | Zig:9    | Noticed Kosiow the pandemonium lord
354056 | Zig:9    | Noticed Masaequm the pandemonium lord
354056 | Zig:9    | Noticed Asimeb the pandemonium lord
354056 | Zig:9    | Noticed Atuwot the pandemonium lord
354056 | Zig:9    | Noticed Ludyvvext the pandemonium lord
354056 | Zig:9    | Noticed Jaceafuu the pandemonium lord
354056 | Zig:9    | Noticed Emunanesm the pandemonium lord
354056 | Zig:9    | Noticed Wucyq the pandemonium lord
354056 | Zig:9    | Noticed Quleron the pandemonium lord
354056 | Zig:9    | Noticed Exetton the pandemonium lord
354056 | Zig:9    | Noticed Feoppu the pandemonium lord
354056 | Zig:9    | Noticed Hydumn the pandemonium lord
354056 | Zig:9    | Noticed Esmevvoe the pandemonium lord
354056 | Zig:9    | Noticed Jeax the pandemonium lord
354056 | Zig:9    | Noticed Atey the pandemonium lord
354056 | Zig:9    | Noticed Derijomn the pandemonium lord
354056 | Zig:9    | Noticed Weiboshru the pandemonium lord
354056 | Zig:9    | Noticed Gagargh the pandemonium lord
354056 | Zig:9    | Noticed Axkimnou the pandemonium lord
354056 | Zig:9    | Noticed Amawyfoe the pandemonium lord
354056 | Zig:9    | Noticed Fikev the pandemonium lord
354056 | Zig:9    | Noticed Cyts the pandemonium lord
354056 | Zig:9    | Noticed Qaxuves the pandemonium lord
354056 | Zig:9    | Noticed Baefecot the pandemonium lord
354056 | Zig:9    | Noticed Xuth the pandemonium lord
354056 | Zig:9    | Noticed Vunaozad the pandemonium lord
354056 | Zig:9    | Noticed Ekhly the pandemonium lord
354056 | Zig:9    | Noticed Wodgh the pandemonium lord
354056 | Zig:9    | Noticed Ziuwa the pandemonium lord
354056 | Zig:9    | Noticed Keisoar the pandemonium lord
354057 | Zig:9    | Noticed Riwot the pandemonium lord
354058 | Zig:9    | Noticed Gacw the pandemonium lord
354059 | Zig:9    | Killed Wodgh the pandemonium lord
354059 | Zig:9    | Killed Qaxuves the pandemonium lord
354059 | Zig:9    | Killed Ziuwa the pandemonium lord
354059 | Zig:9    | Killed Amawyfoe the pandemonium lord
354059 | Zig:9    | Killed Axkimnou the pandemonium lord
354059 | Zig:9    | Noticed Dohuklu the pandemonium lord
354059 | Zig:9    | Killed Gagargh the pandemonium lord
354059 | Zig:9    | Killed Wucyq the pandemonium lord
354059 | Zig:9    | Noticed Voong the pandemonium lord
354059 | Zig:9    | Killed Masaequm the pandemonium lord
354060 | Zig:9    | Killed Ekhly the pandemonium lord
354060 | Zig:9    | Killed Vunaozad the pandemonium lord
354060 | Zig:9    | Killed Baefecot the pandemonium lord
354060 | Zig:9    | Killed Cyts the pandemonium lord
354060 | Zig:9    | Killed Weiboshru the pandemonium lord
354060 | Zig:9    | Killed Esmevvoe the pandemonium lord
354060 | Zig:9    | Killed Xuth the pandemonium lord
354060 | Zig:9    | Killed Asimeb the pandemonium lord
354060 | Zig:9    | Killed Ludyvvext the pandemonium lord
354060 | Zig:9    | Killed Dioriuv the pandemonium lord
354060 | Zig:9    | Killed Keisoar the pandemonium lord
354060 | Zig:9    | Noticed Xibbue the pandemonium lord
354060 | Zig:9    | Noticed Quurch the pandemonium lord
354061 | Zig:9    | Killed Feoppu the pandemonium lord
354061 | Zig:9    | Killed Jeax the pandemonium lord
354061 | Zig:9    | Killed Quleron the pandemonium lord
354061 | Zig:9    | Killed Emunanesm the pandemonium lord
354061 | Zig:9    | Killed Gacw the pandemonium lord
354061 | Zig:9    | Noticed Dacwixzi the pandemonium lord
354061 | Zig:9    | Killed Voliercha the pandemonium lord
354061 | Zig:9    | Noticed Rogejol the pandemonium lord
354062 | Zig:9    | Killed Fikev the pandemonium lord
354062 | Zig:9    | Killed Hydumn the pandemonium lord
354062 | Zig:9    | Killed Exetton the pandemonium lord
354062 | Zig:9    | Killed Jaceafuu the pandemonium lord
354062 | Zig:9    | Killed Atey the pandemonium lord
354062 | Zig:9    | Noticed Xujiq the pandemonium lord
354062 | Zig:9    | Noticed Sugg the pandemonium lord
354063 | Zig:9    | Noticed Heproiwn the pandemonium lord
354063 | Zig:9    | Noticed Humnaoxu the pandemonium lord
354063 | Zig:9    | Noticed Jeagaqam the pandemonium lord
354063 | Zig:9    | Noticed Xynwewio the pandemonium lord
354063 | Zig:9    | Killed Derijomn the pandemonium lord
354063 | Zig:9    | Killed Quurch the pandemonium lord
354063 | Zig:9    | Noticed Nogoc the pandemonium lord
354063 | Zig:9    | Noticed Yvuheheh the pandemonium lord
354063 | Zig:9    | Noticed Piny the pandemonium lord
354063 | Zig:9    | Noticed Cistri Ostil the pandemonium lord
354064 | Zig:9    | Killed Humnaoxu the pandemonium lord
354064 | Zig:9    | Killed Xibbue the pandemonium lord
354064 | Zig:9    | Noticed Resaklo the pandemonium lord
354064 | Zig:9    | Noticed Norogaz the pandemonium lord
354065 | Zig:9    | Killed Atuwot the pandemonium lord
354065 | Zig:9    | Killed Heproiwn the pandemonium lord
354065 | Zig:9    | Killed Rogejol the pandemonium lord
354065 | Zig:9    | Killed Sugg the pandemonium lord
354065 | Zig:9    | Killed Nogoc the pandemonium lord
354065 | Zig:9    | Noticed Rayzutt the pandemonium lord
354065 | Zig:9    | Noticed Muifig the pandemonium lord
354065 | Zig:9    | Noticed Lyfuen the pandemonium lord
354065 | Zig:9    | Noticed Diummiff the pandemonium lord
354066 | Zig:9    | Killed Kosiow the pandemonium lord
354066 | Zig:9    | Killed Yvuheheh the pandemonium lord
354066 | Zig:9    | Killed Xynwewio the pandemonium lord
354066 | Zig:9    | Killed Cistri Ostil the pandemonium lord
354066 | Zig:9    | Killed Xujiq the pandemonium lord
354066 | Zig:9    | Noticed Sap Xiu the pandemonium lord
354067 | Zig:9    | Killed Voong the pandemonium lord
354067 | Zig:9    | Killed Lyfuen the pandemonium lord
354067 | Zig:9    | Killed Piny the pandemonium lord
354067 | Zig:9    | Killed Dacwixzi the pandemonium lord
354067 | Zig:9    | Killed Muifig the pandemonium lord
354067 | Zig:9    | Killed Norogaz the pandemonium lord
354067 | Zig:9    | Killed Jeagaqam the pandemonium lord
354067 | Zig:9    | Killed Dohuklu the pandemonium lord
354067 | Zig:9    | Noticed Nanay the pandemonium lord
354067 | Zig:9    | Noticed Xikeun the pandemonium lord
354067 | Zig:9    | Noticed Hyal the pandemonium lord
354067 | Zig:9    | Noticed Niuhimes the pandemonium lord
354068 | Zig:9    | Killed Rayzutt the pandemonium lord
354068 | Zig:9    | Noticed Bemad the pandemonium lord
354069 | Zig:9    | Noticed Milue the pandemonium lord
354069 | Zig:9    | Killed Riwot the pandemonium lord
354069 | Zig:9    | Noticed Xexar the pandemonium lord
354069 | Zig:9    | Noticed Gopseim the pandemonium lord
354070 | Zig:9    | Noticed Veradd the pandemonium lord
354070 | Zig:9    | Noticed Xobres the pandemonium lord
354070 | Zig:9    | Noticed Pyleufoq the pandemonium lord
354070 | Zig:9    | Noticed Fuxozo the pandemonium lord
354070 | Zig:9    | Noticed Xaumn the pandemonium lord
354070 | Zig:9    | Noticed Fecw the pandemonium lord
354071 | Zig:9    | Killed Bemad the pandemonium lord
354071 | Zig:9    | Killed Milue the pandemonium lord
354071 | Zig:9    | Noticed Luomnib the pandemonium lord
354071 | Zig:9    | Noticed Exasoice the pandemonium lord
354071 | Zig:9    | Noticed Ipsavolo the pandemonium lord
354072 | Zig:9    | Killed Xikeun the pandemonium lord
354072 | Zig:9    | Killed Diummiff the pandemonium lord
354072 | Zig:9    | Killed Pyleufoq the pandemonium lord
354072 | Zig:9    | Noticed Moikheoq the pandemonium lord
354073 | Zig:9    | Killed Fecw the pandemonium lord
354074 | Zig:9    | Killed Veradd the pandemonium lord
354074 | Zig:9    | Killed Resaklo the pandemonium lord
354074 | Zig:9    | Killed Gopseim the pandemonium lord
354074 | Zig:9    | Killed Sap Xiu the pandemonium lord
354074 | Zig:9    | Killed Exasoice the pandemonium lord
354074 | Zig:9    | Killed Fuxozo the pandemonium lord
354074 | Zig:9    | Killed Xaumn the pandemonium lord
354074 | Zig:9    | Noticed Gewey the pandemonium lord
354075 | Zig:9    | Noticed Qosigoj the pandemonium lord
354075 | Zig:9    | Killed Xobres the pandemonium lord
354075 | Zig:9    | Killed Hyal the pandemonium lord
354075 | Zig:9    | Noticed Xaluini the pandemonium lord
354075 | Zig:9    | Killed Moikheoq the pandemonium lord
354075 | Zig:9    | Noticed Icuc the pandemonium lord
354076 | Zig:9    | Noticed Zoamuam the pandemonium lord
354076 | Zig:9    | Killed Nanay the pandemonium lord
354076 | Zig:9    | Killed Niuhimes the pandemonium lord
354077 | Zig:9    | Killed Ipsavolo the pandemonium lord
354077 | Zig:9    | Killed Xexar the pandemonium lord
354078 | Zig:9    | Killed Gewey the pandemonium lord
354078 | Zig:9    | Killed Icuc the pandemonium lord
354079 | Zig:9    | Killed Xaluini the pandemonium lord
354079 | Zig:9    | Killed Luomnib the pandemonium lord
354079 | Zig:9    | Killed Sapiali the pandemonium lord
354083 | Zig:9    | Killed Qosigoj the pandemonium lord
354083 | Zig:9    | Killed Zoamuam the pandemonium lord
354084 | Zig:9    | Noticed Veasu the pandemonium lord
354085 | Zig:9    | Noticed Icraj the pandemonium lord
354088 | Zig:9    | Killed Icraj the pandemonium lord
354092 | Zig:9    | Killed Veasu the pandemonium lord
354141 | Zig:9    | Identified the +11 quarterstaff of Oreaf {venom, Will+
                  | Str+2}
354143 | Zig:9    | Identified the +8 rapier of Recklessness {pain, rF+ Will+
                  | Str+2}
354149 | Zig:9    | Identified the +6 spear of Antique Defence {drain, rElec
                  | rN+ Will+ SInv}
354160 | Zig:9    | Identified the +2 short sword of Destiny {venom, Str+5}
354167 | Zig:9    | Identified the staff of Cocytus {rPois rCorr Alchemy}
354385 | Zig:9    | Identified the +8 eudemon blade of Cheese {holy, *Noise
                  | +Blink rC++ Str+3}
354393 | Zig:10   | Entered Level 10 of a ziggurat
354393 | Zig:10   | Noticed Hatunaig's ghost (master DrSh)
354393 | Zig:10   | Noticed Pyluojor's ghost (legendary MfBe)
354393 | Zig:10   | Noticed Pyluojor's ghost (legendary MfBe)
354393 | Zig:10   | Noticed Anihuhunn's ghost (adept GrEE)
354393 | Zig:10   | Noticed Suikiutuiv's ghost (adept GrEE)
354393 | Zig:10   | Noticed Pagapt's ghost (legendary HOMo)
354393 | Zig:10   | Noticed Anihuhunn's ghost (adept GrEE)
354393 | Zig:10   | Noticed Pagapt's ghost (legendary HOMo)
354393 | Zig:10   | Noticed Hatunaig's ghost (master DrSh)
354393 | Zig:10   | Noticed Hatunaig's ghost (master DrSh)
354393 | Zig:10   | Noticed Suikiutuiv's ghost (adept GrEE)
354393 | Zig:10   | Noticed Hatunaig's ghost (master DrSh)
354393 | Zig:10   | Noticed Pyluojor's ghost (legendary MfBe)
354393 | Zig:10   | Noticed Wuziru's ghost (legendary GrEE)
354393 | Zig:10   | Noticed Pagapt's ghost (legendary HOMo)
354393 | Zig:10   | Noticed Hatunaig's ghost (master DrSh)
354393 | Zig:10   | Noticed Hatunaig's ghost (master DrSh)
354393 | Zig:10   | Noticed Suikiutuiv's ghost (adept GrEE)
354393 | Zig:10   | Noticed Pagapt's ghost (legendary HOMo)
354393 | Zig:10   | Noticed Wuziru's ghost (legendary GrEE)
354393 | Zig:10   | Noticed Anihuhunn's ghost (adept GrEE)
354393 | Zig:10   | Noticed Agat's ghost (legendary GnWr)
354393 | Zig:10   | Noticed Pagapt's ghost (legendary HOMo)
354393 | Zig:10   | Noticed Pagapt's ghost (legendary HOMo)
354393 | Zig:10   | Noticed Pyluojor's ghost (legendary MfBe)
354393 | Zig:10   | Noticed Anihuhunn's ghost (adept GrEE)
354393 | Zig:10   | Noticed Agat's ghost (legendary GnWr)
354393 | Zig:10   | Noticed Anihuhunn's ghost (adept GrEE)
354393 | Zig:10   | Noticed Agat's ghost (legendary GnWr)
354393 | Zig:10   | Noticed Hatunaig's ghost (master DrSh)
354393 | Zig:10   | Noticed Pagapt's ghost (legendary HOMo)
354393 | Zig:10   | Noticed Pagapt's ghost (legendary HOMo)
354393 | Zig:10   | Noticed Agat's ghost (legendary GnWr)
354393 | Zig:10   | Noticed Wuziru's ghost (legendary GrEE)
354393 | Zig:10   | Noticed Anihuhunn's ghost (adept GrEE)
354393 | Zig:10   | Noticed Hatunaig's ghost (master DrSh)
354393 | Zig:10   | Noticed Suikiutuiv's ghost (adept GrEE)
354393 | Zig:10   | Noticed Suikiutuiv's ghost (adept GrEE)
354395 | Zig:10   | Noticed Hatunaig's ghost (master DrSh)
354396 | Zig:10   | Killed Anihuhunn's ghost
354396 | Zig:10   | Killed Anihuhunn's ghost
354396 | Zig:10   | Killed Suikiutuiv's ghost
354396 | Zig:10   | Noticed Anihuhunn's ghost (adept GrEE)
354396 | Zig:10   | Noticed Pagapt's ghost (legendary HOMo)
354396 | Zig:10   | Noticed Anihuhunn's ghost (adept GrEE)
354397 | Zig:10   | Killed Agat's ghost
354397 | Zig:10   | Killed Wuziru's ghost
354397 | Zig:10   | Killed Agat's ghost
354397 | Zig:10   | Killed Hatunaig's ghost
354397 | Zig:10   | Killed Suikiutuiv's ghost
354397 | Zig:10   | Killed Suikiutuiv's ghost
354397 | Zig:10   | Killed Anihuhunn's ghost
354397 | Zig:10   | Killed Anihuhunn's ghost
354397 | Zig:10   | Killed Suikiutuiv's ghost
354397 | Zig:10   | Killed Wuziru's ghost
354398 | Zig:10   | Killed Pagapt's ghost
354398 | Zig:10   | Killed Agat's ghost
354398 | Zig:10   | Killed Pagapt's ghost
354398 | Zig:10   | Killed Pagapt's ghost
354398 | Zig:10   | Killed Suikiutuiv's ghost
354398 | Zig:10   | Killed Hatunaig's ghost
354398 | Zig:10   | Killed Anihuhunn's ghost
354398 | Zig:10   | Killed Anihuhunn's ghost
354398 | Zig:10   | Killed Anihuhunn's ghost
354398 | Zig:10   | Noticed Wuziru's ghost (legendary GrEE)
354398 | Zig:10   | Noticed Agat's ghost (legendary GnWr)
354398 | Zig:10   | Killed Hatunaig's ghost
354398 | Zig:10   | Noticed Anihuhunn's ghost (adept GrEE)
354399 | Zig:10   | Killed Pagapt's ghost
354399 | Zig:10   | Killed Pagapt's ghost
354399 | Zig:10   | Killed Pyluojor's ghost
354399 | Zig:10   | Killed Hatunaig's ghost
354399 | Zig:10   | Killed Wuziru's ghost
354400 | Zig:10   | Killed Agat's ghost
354400 | Zig:10   | Killed Pyluojor's ghost
354400 | Zig:10   | Killed Pyluojor's ghost
354400 | Zig:10   | Killed Anihuhunn's ghost
354400 | Zig:10   | Killed Hatunaig's ghost
354400 | Zig:10   | Killed Hatunaig's ghost
354401 | Zig:10   | Killed Hatunaig's ghost
354401 | Zig:10   | Killed Pagapt's ghost
354401 | Zig:10   | Noticed Wuziru's ghost (legendary GrEE)
354401 | Zig:10   | Noticed Agat's ghost (legendary GnWr)
354401 | Zig:10   | Noticed Pyluojor's ghost (legendary MfBe)
354401 | Zig:10   | Noticed Suikiutuiv's ghost (adept GrEE)
354402 | Zig:10   | Killed Pyluojor's ghost
354402 | Zig:10   | Killed Pagapt's ghost
354402 | Zig:10   | Noticed Anihuhunn's ghost (adept GrEE)
354403 | Zig:10   | Killed Anihuhunn's ghost
354404 | Zig:10   | Killed Pagapt's ghost
354404 | Zig:10   | Killed Hatunaig's ghost
354404 | Zig:10   | Noticed Wuziru's ghost (legendary GrEE)
354404 | Zig:10   | Noticed Anihuhunn's ghost (adept GrEE)
354405 | Zig:10   | Killed Anihuhunn's ghost
354405 | Zig:10   | Killed Wuziru's ghost
354405 | Zig:10   | Noticed Pagapt's ghost (legendary HOMo)
354405 | Zig:10   | Noticed Wuziru's ghost (legendary GrEE)
354406 | Zig:10   | Noticed Pagapt's ghost (legendary HOMo)
354406 | Zig:10   | Killed Hatunaig's ghost
354406 | Zig:10   | Killed Suikiutuiv's ghost
354406 | Zig:10   | Noticed Pyluojor's ghost (legendary MfBe)
354406 | Zig:10   | Noticed Pyluojor's ghost (legendary MfBe)
354406 | Zig:10   | Noticed Hatunaig's ghost (master DrSh)
354407 | Zig:10   | Noticed Wuziru's ghost (legendary GrEE)
354407 | Zig:10   | Killed Wuziru's ghost
354407 | Zig:10   | Killed Agat's ghost
354407 | Zig:10   | Killed Pyluojor's ghost
354407 | Zig:10   | Killed Anihuhunn's ghost
354408 | Zig:10   | Killed Pyluojor's ghost
354408 | Zig:10   | Noticed Hatunaig's ghost (master DrSh)
354409 | Zig:10   | Killed Wuziru's ghost
354409 | Zig:10   | Killed Pyluojor's ghost
354409 | Zig:10   | Killed Wuziru's ghost
354409 | Zig:10   | Noticed Pagapt's ghost (legendary HOMo)
354409 | Zig:10   | Noticed Wuziru's ghost (legendary GrEE)
354409 | Zig:10   | Noticed Anihuhunn's ghost (adept GrEE)
354409 | Zig:10   | Noticed Suikiutuiv's ghost (adept GrEE)
354410 | Zig:10   | Noticed Wuziru's ghost (legendary GrEE)
354411 | Zig:10   | Killed Suikiutuiv's ghost
354411 | Zig:10   | Killed Wuziru's ghost
354411 | Zig:10   | Noticed Wuziru's ghost (legendary GrEE)
354411 | Zig:10   | Noticed Pagapt's ghost (legendary HOMo)
354411 | Zig:10   | Noticed Pagapt's ghost (legendary HOMo)
354412 | Zig:10   | Killed Pagapt's ghost
354412 | Zig:10   | Killed Pagapt's ghost
354412 | Zig:10   | Killed Wuziru's ghost
354412 | Zig:10   | Noticed Pagapt's ghost (legendary HOMo)
354413 | Zig:10   | Killed Pagapt's ghost
354413 | Zig:10   | Killed Hatunaig's ghost
354414 | Zig:10   | Killed Anihuhunn's ghost
354414 | Zig:10   | Killed Pagapt's ghost
354414 | Zig:10   | Killed Wuziru's ghost
354414 | Zig:10   | Noticed Suikiutuiv's ghost (adept GrEE)
354414 | Zig:10   | Noticed Wuziru's ghost (legendary GrEE)
354414 | Zig:10   | Noticed Agat's ghost (legendary GnWr)
354415 | Zig:10   | Killed Wuziru's ghost
354416 | Zig:10   | Killed Pagapt's ghost
354416 | Zig:10   | Killed Pagapt's ghost
354416 | Zig:10   | Killed Wuziru's ghost
354416 | Zig:10   | Noticed Hatunaig's ghost (master DrSh)
354416 | Zig:10   | Noticed Pagapt's ghost (legendary HOMo)
354416 | Zig:10   | Noticed Wuziru's ghost (legendary GrEE)
354417 | Zig:10   | Noticed Pyluojor's ghost (legendary MfBe)
354418 | Zig:10   | Killed Pagapt's ghost
354419 | Zig:10   | Killed Agat's ghost
354423 | Zig:10   | Killed Hatunaig's ghost
354423 | Zig:10   | Killed Wuziru's ghost
354423 | Zig:10   | Noticed Hatunaig's ghost (master DrSh)
354425 | Zig:10   | Noticed Pyluojor's ghost (legendary MfBe)
354425 | Zig:10   | Noticed Pagapt's ghost (legendary HOMo)
354425 | Zig:10   | Noticed Suikiutuiv's ghost (adept GrEE)
354426 | Zig:10   | Killed Pyluojor's ghost
354426 | Zig:10   | Killed Suikiutuiv's ghost
354427 | Zig:10   | Killed Pagapt's ghost
354427 | Zig:10   | Killed Hatunaig's ghost
354427 | Zig:10   | Killed Suikiutuiv's ghost
354428 | Zig:10   | Noticed Anihuhunn's ghost (adept GrEE)
354428 | Zig:10   | Noticed Suikiutuiv's ghost (adept GrEE)
354428 | Zig:10   | Noticed Suikiutuiv's ghost (adept GrEE)
354428 | Zig:10   | Noticed Suikiutuiv's ghost (adept GrEE)
354429 | Zig:10   | Killed Pyluojor's ghost
354429 | Zig:10   | Noticed Anihuhunn's ghost (adept GrEE)
354430 | Zig:10   | Killed Pagapt's ghost
354430 | Zig:10   | Killed Suikiutuiv's ghost
354430 | Zig:10   | Killed Anihuhunn's ghost
354430 | Zig:10   | Killed Suikiutuiv's ghost
354431 | Zig:10   | Noticed Suikiutuiv's ghost (adept GrEE)
354431 | Zig:10   | Noticed Agat's ghost (legendary GnWr)
354431 | Zig:10   | Noticed Anihuhunn's ghost (adept GrEE)
354431 | Zig:10   | Noticed Pyluojor's ghost (legendary MfBe)
354431 | Zig:10   | Noticed Hatunaig's ghost (master DrSh)
354435 | Zig:10   | Killed Anihuhunn's ghost
354435 | Zig:10   | Killed Hatunaig's ghost
354436 | Zig:10   | Killed Suikiutuiv's ghost
354437 | Zig:10   | Killed Anihuhunn's ghost
354437 | Zig:10   | Killed Suikiutuiv's ghost
354437 | Zig:10   | Killed Agat's ghost
354437 | Zig:10   | Noticed Hatunaig's ghost (master DrSh)
354440 | Zig:10   | Killed Hatunaig's ghost
354440 | Zig:10   | Killed Hatunaig's ghost
354442 | Zig:10   | Killed Pyluojor's ghost
354442 | Zig:10   | Killed Agat's ghost
354442 | Zig:10   | Killed Hatunaig's ghost
354504 | Zig:10   | Identified the +5 spear "Killer Klown's Peril" {flame,
                  | *Rage Will++ rCorr}
354509 | Zig:10   | Identified the +3 robe "Lughilat" {Harm rC- Int+3}
354514 | Zig:10   | Identified the +6 scale mail "Satuixumu" {Rampage rC+ Dex-4
                  | Slay+2}
354516 | Zig:10   | Identified the +0 chain mail "Gidiecw" {Rampage +Blink +Inv
                  | Str-4}
354520 | Zig:10   | Identified the +0 dagger "Liguaripri" {flame, rCorr}
354741 | Zig:11   | Entered Level 11 of a ziggurat
354741 | Zig:11   | Noticed Feebikig the pandemonium lord
354741 | Zig:11   | Noticed Taczowib the pandemonium lord
354741 | Zig:11   | Noticed Yrekloa the pandemonium lord
354741 | Zig:11   | Noticed Ceack the pandemonium lord
354741 | Zig:11   | Noticed Qiatot the pandemonium lord
354741 | Zig:11   | Noticed Gynoelupt the pandemonium lord
354741 | Zig:11   | Noticed Zopestrat the pandemonium lord
354741 | Zig:11   | Noticed Pissyot the pandemonium lord
354741 | Zig:11   | Noticed Anneosua the pandemonium lord
354741 | Zig:11   | Noticed Much the pandemonium lord
354741 | Zig:11   | Noticed Qeaditset the pandemonium lord
354741 | Zig:11   | Noticed Maovulug the pandemonium lord
354741 | Zig:11   | Noticed Behufol the pandemonium lord
354741 | Zig:11   | Noticed Teunys the pandemonium lord
354741 | Zig:11   | Noticed Puapuaz the pandemonium lord
354741 | Zig:11   | Noticed Gucaet the pandemonium lord
354741 | Zig:11   | Noticed Yvoxec the pandemonium lord
354741 | Zig:11   | Noticed Ruurewn the pandemonium lord
354741 | Zig:11   | Noticed Hinwamm the pandemonium lord
354741 | Zig:11   | Noticed Mooteuh the pandemonium lord
354741 | Zig:11   | Noticed Suyfaj the pandemonium lord
354741 | Zig:11   | Noticed Loheh the pandemonium lord
354741 | Zig:11   | Noticed Piewoulu the pandemonium lord
354741 | Zig:11   | Noticed Taff the pandemonium lord
354741 | Zig:11   | Noticed Coribeg the pandemonium lord
354741 | Zig:11   | Noticed Ekkoul the pandemonium lord
354741 | Zig:11   | Noticed Gonaqoar the pandemonium lord
354741 | Zig:11   | Noticed Neod the pandemonium lord
354741 | Zig:11   | Noticed Ziath the pandemonium lord
354741 | Zig:11   | Noticed Eczexaof the pandemonium lord
354741 | Zig:11   | Noticed Eloudaen the pandemonium lord
354741 | Zig:11   | Noticed Zauc the pandemonium lord
354741 | Zig:11   | Noticed Wusec the pandemonium lord
354741 | Zig:11   | Noticed Bumalodo the pandemonium lord
354741 | Zig:11   | Noticed Qenka the pandemonium lord
354741 | Zig:11   | Noticed Ufereoj the pandemonium lord
354741 | Zig:11   | Noticed Boxzyura the pandemonium lord
354741 | Zig:11   | Noticed Ruagh the pandemonium lord
354741 | Zig:11   | Noticed Hulyjom the pandemonium lord
354741 | Zig:11   | Noticed Xieh the pandemonium lord
354741 | Zig:11   | Noticed Qusyepe the pandemonium lord
354741 | Zig:11   | Noticed Tiguulob the pandemonium lord
354741 | Zig:11   | Noticed Wecuat the pandemonium lord
354741 | Zig:11   | Noticed Toiss the pandemonium lord
354741 | Zig:11   | Noticed Xinoely the pandemonium lord
354741 | Zig:11   | Noticed Lapsig the pandemonium lord
354741 | Zig:11   | Noticed Gemimaj the pandemonium lord
354741 | Zig:11   | Noticed Udyasun the pandemonium lord
354741 | Zig:11   | Noticed Gixoiv the pandemonium lord
354741 | Zig:11   | Noticed Pumewk the pandemonium lord
354742 | Zig:11   | Noticed Tibeip the pandemonium lord
354742 | Zig:11   | Noticed Ogikit the pandemonium lord
354742 | Zig:11   | Noticed Waqaosof the pandemonium lord
354743 | Zig:11   | Noticed Ygoafea the pandemonium lord
354743 | Zig:11   | Noticed Notasif the pandemonium lord
354743 | Zig:11   | Noticed Kerhofol the pandemonium lord
354743 | Zig:11   | Killed Ziath the pandemonium lord
354743 | Zig:11   | Noticed Tuh Owk the pandemonium lord
354744 | Zig:11   | Noticed Netot the pandemonium lord
354744 | Zig:11   | Noticed Itanum the pandemonium lord
354744 | Zig:11   | Killed Coribeg the pandemonium lord
354744 | Zig:11   | Noticed Hugomob the pandemonium lord
354745 | Zig:11   | Killed Boxzyura the pandemonium lord
354745 | Zig:11   | Killed Yvoxec the pandemonium lord
354746 | Zig:11   | Killed Qenka the pandemonium lord
354746 | Zig:11   | Killed Ruagh the pandemonium lord
354746 | Zig:11   | Killed Zauc the pandemonium lord
354746 | Zig:11   | Killed Ruurewn the pandemonium lord
354747 | Zig:11   | Noticed Buaz the pandemonium lord
354747 | Zig:11   | Noticed Cuolime the pandemonium lord
354747 | Zig:11   | Noticed Dagid the pandemonium lord
354747 | Zig:11   | Killed Hulyjom the pandemonium lord
354747 | Zig:11   | Killed Xieh the pandemonium lord
354747 | Zig:11   | Killed Puapuaz the pandemonium lord
354747 | Zig:11   | Killed Gucaet the pandemonium lord
354747 | Zig:11   | Killed Piewoulu the pandemonium lord
354747 | Zig:11   | Killed Anneosua the pandemonium lord
354747 | Zig:11   | Noticed Foik Xea the pandemonium lord
354747 | Zig:11   | Noticed Ysivoy Rihy the pandemonium lord
354747 | Zig:11   | Noticed Meokk the pandemonium lord
354748 | Zig:11   | Noticed Voraopp the pandemonium lord
354748 | Zig:11   | Killed Eloudaen the pandemonium lord
354748 | Zig:11   | Killed Tiguulob the pandemonium lord
354748 | Zig:11   | Killed Xinoely the pandemonium lord
354748 | Zig:11   | Killed Lapsig the pandemonium lord
354748 | Zig:11   | Killed Gixoiv the pandemonium lord
354748 | Zig:11   | Killed Wecuat the pandemonium lord
354748 | Zig:11   | Killed Gemimaj the pandemonium lord
354748 | Zig:11   | Killed Much the pandemonium lord
354748 | Zig:11   | Killed Zopestrat the pandemonium lord
354749 | Zig:11   | Killed Wusec the pandemonium lord
354749 | Zig:11   | Killed Ufereoj the pandemonium lord
354749 | Zig:11   | Killed Toiss the pandemonium lord
354749 | Zig:11   | Killed Taff the pandemonium lord
354749 | Zig:11   | Killed Ekkoul the pandemonium lord
354749 | Zig:11   | Killed Qiatot the pandemonium lord
354749 | Zig:11   | Killed Notasif the pandemonium lord
354749 | Zig:11   | Killed Hinwamm the pandemonium lord
354749 | Zig:11   | Killed Hugomob the pandemonium lord
354749 | Zig:11   | Killed Gonaqoar the pandemonium lord
354749 | Zig:11   | Killed Ogikit the pandemonium lord
354749 | Zig:11   | Killed Udyasun the pandemonium lord
354749 | Zig:11   | Killed Ygoafea the pandemonium lord
354749 | Zig:11   | Killed Voraopp the pandemonium lord
354749 | Zig:11   | Killed Yrekloa the pandemonium lord
354749 | Zig:11   | Killed Behufol the pandemonium lord
354749 | Zig:11   | Noticed Siubiv the pandemonium lord
354750 | Zig:11   | Noticed Ogga Nuvia the pandemonium lord
354750 | Zig:11   | Noticed Doerhigg the pandemonium lord
354750 | Zig:11   | Killed Bumalodo the pandemonium lord
354750 | Zig:11   | Killed Pumewk the pandemonium lord
354750 | Zig:11   | Killed Mooteuh the pandemonium lord
354750 | Zig:11   | Killed Qeaditset the pandemonium lord
354750 | Zig:11   | Killed Qusyepe the pandemonium lord
354750 | Zig:11   | Killed Taczowib the pandemonium lord
354750 | Zig:11   | Killed Kerhofol the pandemonium lord
354751 | Zig:11   | Killed Tuh Owk the pandemonium lord
354751 | Zig:11   | Killed Ceack the pandemonium lord
354751 | Zig:11   | Killed Maovulug the pandemonium lord
354751 | Zig:11   | Killed Cuolime the pandemonium lord
354751 | Zig:11   | Killed Neod the pandemonium lord
354751 | Zig:11   | Noticed Anonej Duddi the pandemonium lord
354752 | Zig:11   | Killed Netot the pandemonium lord
354752 | Zig:11   | Killed Tibeip the pandemonium lord
354752 | Zig:11   | Killed Buaz the pandemonium lord
354752 | Zig:11   | Killed Siubiv the pandemonium lord
354752 | Zig:11   | Killed Ogga Nuvia the pandemonium lord
354752 | Zig:11   | Noticed Roodoc the pandemonium lord
354752 | Zig:11   | Noticed Edghuman the pandemonium lord
354752 | Zig:11   | Killed Feebikig the pandemonium lord
354753 | Zig:11   | Noticed Xatie the pandemonium lord
354753 | Zig:11   | Noticed Wukkoppy the pandemonium lord
354753 | Zig:11   | Killed Pissyot the pandemonium lord
354753 | Zig:11   | Noticed Uqopoboe the pandemonium lord
354753 | Zig:11   | Noticed Zosebrax the pandemonium lord
354753 | Zig:11   | Noticed Nycuwnen the pandemonium lord
354754 | Zig:11   | Noticed Futrueri the pandemonium lord
354754 | Zig:11   | Noticed Soifoi the pandemonium lord
354755 | Zig:11   | Killed Itanum the pandemonium lord
354755 | Zig:11   | Killed Teunys the pandemonium lord
354755 | Zig:11   | Killed Dagid the pandemonium lord
354756 | Zig:11   | Noticed Hoirio Icwed the pandemonium lord
354756 | Zig:11   | Killed Foik Xea the pandemonium lord
354756 | Zig:11   | Noticed Lolukhua the pandemonium lord
354757 | Zig:11   | Killed Wukkoppy the pandemonium lord
354757 | Zig:11   | Killed Soifoi the pandemonium lord
354757 | Zig:11   | Noticed Gepeh the pandemonium lord
354758 | Zig:11   | Killed Gynoelupt the pandemonium lord
354758 | Zig:11   | Killed Loheh the pandemonium lord
354758 | Zig:11   | Killed Anonej Duddi the pandemonium lord
354759 | Zig:11   | Killed Ysivoy Rihy the pandemonium lord
354759 | Zig:11   | Killed Eczexaof the pandemonium lord
354759 | Zig:11   | Killed Meokk the pandemonium lord
354759 | Zig:11   | Noticed Xafo the pandemonium lord
354760 | Zig:11   | Killed Edghuman the pandemonium lord
354760 | Zig:11   | Killed Futrueri the pandemonium lord
354760 | Zig:11   | Killed Xatie the pandemonium lord
354760 | Zig:11   | Noticed Xidoroqopp the pandemonium lord
354761 | Zig:11   | Killed Zosebrax the pandemonium lord
354761 | Zig:11   | Killed Doerhigg the pandemonium lord
354761 | Zig:11   | Killed Lolukhua the pandemonium lord
354761 | Zig:11   | Noticed Eplem the pandemonium lord
354761 | Zig:11   | Noticed Adyrysun the pandemonium lord
354761 | Zig:11   | Noticed Ittips the pandemonium lord
354762 | Zig:11   | Killed Hoirio Icwed the pandemonium lord
354762 | Zig:11   | Killed Nycuwnen the pandemonium lord
354762 | Zig:11   | Killed Suyfaj the pandemonium lord
354762 | Zig:11   | Noticed Zugy the pandemonium lord
354763 | Zig:11   | Noticed Qeskich the pandemonium lord
354763 | Zig:11   | Killed Ittips the pandemonium lord
354763 | Zig:11   | Killed Adyrysun the pandemonium lord
354763 | Zig:11   | Noticed Heipt the pandemonium lord
354763 | Zig:11   | Noticed Firasots the pandemonium lord
354764 | Zig:11   | Killed Xafo the pandemonium lord
354764 | Zig:11   | Noticed Tanwim the pandemonium lord
354764 | Zig:11   | Killed Xoalair the pandemonium lord
354765 | Zig:11   | Killed Firasots the pandemonium lord
354765 | Zig:11   | Killed Eplem the pandemonium lord
354765 | Zig:11   | Noticed Wismyluh the pandemonium lord
354765 | Zig:11   | Killed Zugy the pandemonium lord
354766 | Zig:11   | Noticed Guohetim the pandemonium lord
354767 | Zig:11   | Killed Waqaosof the pandemonium lord
354767 | Zig:11   | Killed Uqopoboe the pandemonium lord
354767 | Zig:11   | Killed Gepeh the pandemonium lord
354767 | Zig:11   | Killed Wismyluh the pandemonium lord
354767 | Zig:11   | Noticed Kuir the pandemonium lord
354768 | Zig:11   | Killed Tanwim the pandemonium lord
354768 | Zig:11   | Noticed Zuirghi the pandemonium lord
354768 | Zig:11   | Killed Qeskich the pandemonium lord
354768 | Zig:11   | Killed Xidoroqopp the pandemonium lord
354769 | Zig:11   | Noticed Kiuduc the pandemonium lord
354769 | Zig:11   | Killed Kuir the pandemonium lord
354769 | Zig:11   | Killed Heipt the pandemonium lord
354769 | Zig:11   | Killed Xueser the pandemonium lord
354770 | Zig:11   | Noticed Xanwux the pandemonium lord
354771 | Zig:11   | Killed Zuirghi the pandemonium lord
354771 | Zig:11   | Killed Guohetim the pandemonium lord
354771 | Zig:11   | Killed Roodoc the pandemonium lord
354771 | Zig:11   | Killed Kiuduc the pandemonium lord
354771 | Zig:11   | Noticed Egior the pandemonium lord
354771 | Zig:11   | Killed Ytoeb the pandemonium lord
354772 | Zig:11   | Killed Zathitzahi the pandemonium lord
354772 | Zig:11   | Killed Yckol the pandemonium lord
354772 | Zig:11   | Noticed Diecir the pandemonium lord
354773 | Zig:11   | Killed Egior the pandemonium lord
354773 | Zig:11   | Killed Xanwux the pandemonium lord
354773 | Zig:11   | Killed Ceuniopo the pandemonium lord
354773 | Zig:11   | Killed Iluha the pandemonium lord
354773 | Zig:11   | Killed Ohorupp the pandemonium lord
354773 | Zig:11   | Killed Bezyekum the pandemonium lord
354773 | Zig:11   | Killed Pytroikh the pandemonium lord
354773 | Zig:11   | Noticed Senug the pandemonium lord
354774 | Zig:11   | Killed Jubb the pandemonium lord
354775 | Zig:11   | Noticed Vixan the pandemonium lord
354775 | Zig:11   | Noticed Hiuhil the pandemonium lord
354775 | Zig:11   | Noticed Ded Ucut the pandemonium lord
354775 | Zig:11   | Noticed Vacuogae the pandemonium lord
354775 | Zig:11   | Noticed Ulotros the pandemonium lord
354775 | Zig:11   | Killed Vacuogae the pandemonium lord
354775 | Zig:11   | Killed Pitybaw the pandemonium lord
354775 | Zig:11   | Killed Ded Ucut the pandemonium lord
354775 | Zig:11   | Killed Ulotros the pandemonium lord
354775 | Zig:11   | Noticed Ziritz the pandemonium lord
354775 | Zig:11   | Noticed Vischiuw the pandemonium lord
354776 | Zig:11   | Noticed Qyvopp the pandemonium lord
354776 | Zig:11   | Killed Vixan the pandemonium lord
354776 | Zig:11   | Noticed Puany the pandemonium lord
354776 | Zig:11   | Noticed Tijaeck the pandemonium lord
354777 | Zig:11   | Killed Vischiuw the pandemonium lord
354777 | Zig:11   | Killed Hiuhil the pandemonium lord
354777 | Zig:11   | Noticed Huaclirph the pandemonium lord
354778 | Zig:11   | Noticed Lech the pandemonium lord
354778 | Zig:11   | Noticed Kocimif the pandemonium lord
354778 | Zig:11   | Noticed Quqes the pandemonium lord
354778 | Zig:11   | Noticed Toysil the pandemonium lord
354778 | Zig:11   | Killed Jex Ache the pandemonium lord
354779 | Zig:11   | Noticed Dirirav the pandemonium lord
354779 | Zig:11   | Killed Puany the pandemonium lord
354779 | Zig:11   | Killed Qyvopp the pandemonium lord
354779 | Zig:11   | Killed Senug the pandemonium lord
354779 | Zig:11   | Killed Kocimif the pandemonium lord
354779 | Zig:11   | Killed Toysil the pandemonium lord
354779 | Zig:11   | Killed Quqes the pandemonium lord
354779 | Zig:11   | Noticed Ofret the pandemonium lord
354780 | Zig:11   | Killed Ziritz the pandemonium lord
354781 | Zig:11   | Noticed Vureitel the pandemonium lord
354781 | Zig:11   | Killed Vureitel the pandemonium lord
354781 | Zig:11   | Killed Tijaeck the pandemonium lord
354781 | Zig:11   | Killed Dirirav the pandemonium lord
354781 | Zig:11   | Noticed Hiebbite the pandemonium lord
354782 | Zig:11   | Killed Huaclirph the pandemonium lord
354782 | Zig:11   | Noticed Keiggub the pandemonium lord
354783 | Zig:11   | Killed Zitoj the pandemonium lord
354783 | Zig:11   | Killed Geaheurr the pandemonium lord
354786 | Zig:11   | Noticed Gosuig the pandemonium lord
354786 | Zig:11   | Noticed Ojofuwn the pandemonium lord
354786 | Zig:11   | Noticed Gesifagh the pandemonium lord
354786 | Zig:11   | Noticed Yrphew Wariergh the pandemonium lord
354786 | Zig:11   | Noticed Ryvefruni the pandemonium lord
354787 | Zig:11   | Killed Hiebbite the pandemonium lord
354787 | Zig:11   | Killed Keiggub the pandemonium lord
354787 | Zig:11   | Killed Ofret the pandemonium lord
354787 | Zig:11   | Killed Ryvefruni the pandemonium lord
354787 | Zig:11   | Killed Ojofuwn the pandemonium lord
354787 | Zig:11   | Noticed Diwk the pandemonium lord
354788 | Zig:11   | Killed Diwk the pandemonium lord
354790 | Zig:11   | Noticed Ishiane the pandemonium lord
354790 | Zig:11   | Killed Yrphew Wariergh the pandemonium lord
354790 | Zig:11   | Noticed Qosoza the pandemonium lord
354791 | Zig:11   | Killed Gosuig the pandemonium lord
354791 | Zig:11   | Killed Diecir the pandemonium lord
354791 | Zig:11   | Killed Gesifagh the pandemonium lord
354791 | Zig:11   | Killed Ishiane the pandemonium lord
354792 | Zig:11   | Noticed Dakuohaz the pandemonium lord
354793 | Zig:11   | Killed Lech the pandemonium lord
354793 | Zig:11   | Killed Qosoza the pandemonium lord
354793 | Zig:11   | Killed Fogrewn the pandemonium lord
354800 | Zig:11   | Killed Dakuohaz the pandemonium lord
354984 | Zig:11   | Identified the +10 dagger "Xonir" {flame, rN+++ Int+8
                  | Dex-4}
355196 | Zig:11   | Identified the +6 eudemon blade "Moumom" {holy, rF- rC+
                  | Will+ Stlth+}
355205 | Zig:12   | Entered Level 12 of a ziggurat
355205 | Zig:12   | Noticed Nitoferodu the pandemonium lord
355205 | Zig:12   | Noticed Miffut the pandemonium lord
355205 | Zig:12   | Noticed Pifof the pandemonium lord
355205 | Zig:12   | Noticed Jalaxzou the pandemonium lord
355205 | Zig:12   | Noticed Ypiss the pandemonium lord
355205 | Zig:12   | Noticed Yracoq the pandemonium lord
355205 | Zig:12   | Noticed Hoshraur the pandemonium lord
355205 | Zig:12   | Noticed Witiyc the pandemonium lord
355205 | Zig:12   | Noticed Azurajev the pandemonium lord
355205 | Zig:12   | Noticed Ilifius the pandemonium lord
355205 | Zig:12   | Noticed Xanoadeg the pandemonium lord
355205 | Zig:12   | Noticed Feppigau the pandemonium lord
355205 | Zig:12   | Noticed Numnoh the pandemonium lord
355205 | Zig:12   | Noticed Xaitsorch the pandemonium lord
355205 | Zig:12   | Noticed Nehisiaz the pandemonium lord
355205 | Zig:12   | Noticed Qeunn the pandemonium lord
355205 | Zig:12   | Noticed Ofieqic the pandemonium lord
355205 | Zig:12   | Noticed Ming the pandemonium lord
355205 | Zig:12   | Noticed Anwabiff the pandemonium lord
355205 | Zig:12   | Noticed Boarir the pandemonium lord
355205 | Zig:12   | Noticed Vuirph Zuirr the pandemonium lord
355205 | Zig:12   | Noticed Jawab the pandemonium lord
355205 | Zig:12   | Noticed Decwun the pandemonium lord
355205 | Zig:12   | Noticed Eskucavat the pandemonium lord
355205 | Zig:12   | Noticed Refoy the pandemonium lord
355205 | Zig:12   | Noticed Ekanga Fuess the pandemonium lord
355205 | Zig:12   | Noticed Ynafain the pandemonium lord
355205 | Zig:12   | Noticed Qenualo the pandemonium lord
355205 | Zig:12   | Noticed Afeocac the pandemonium lord
355205 | Zig:12   | Noticed Zyabe the pandemonium lord
355205 | Zig:12   | Noticed Dithen the pandemonium lord
355205 | Zig:12   | Noticed Eptyupte the pandemonium lord
355205 | Zig:12   | Noticed Gacumpoh the pandemonium lord
355205 | Zig:12   | Noticed Dah Ybriff the pandemonium lord
355207 | Zig:12   | Killed Anwabiff the pandemonium lord
355208 | Zig:12   | Banished Feppigau the pandemonium lord
355208 | Zig:12   | Noticed Quem the pandemonium lord
355209 | Zig:12   | Noticed Dieh the pandemonium lord
355210 | Zig:12   | Noticed Nuofeh the pandemonium lord
355211 | Zig:12   | Noticed Opirch the pandemonium lord
355211 | Zig:12   | Noticed Qojubiti the pandemonium lord
355212 | Zig:12   | Killed Ynafain the pandemonium lord
355212 | Zig:12   | Killed Jawab the pandemonium lord
355212 | Zig:12   | Killed Xaitsorch the pandemonium lord
355212 | Zig:12   | Noticed Kojig the pandemonium lord
355213 | Zig:12   | Killed Miffut the pandemonium lord
355213 | Zig:12   | Killed Qeunn the pandemonium lord
355213 | Zig:12   | Noticed Fies the pandemonium lord
355214 | Zig:12   | Killed Eptyupte the pandemonium lord
355214 | Zig:12   | Killed Gacumpoh the pandemonium lord
355214 | Zig:12   | Killed Dithen the pandemonium lord
355214 | Zig:12   | Killed Ilifius the pandemonium lord
355214 | Zig:12   | Noticed Eroefoed the pandemonium lord
355215 | Zig:12   | Noticed Tegeukh the pandemonium lord
355215 | Zig:12   | Killed Afeocac the pandemonium lord
355215 | Zig:12   | Killed Numnoh the pandemonium lord
355215 | Zig:12   | Killed Zyabe the pandemonium lord
355215 | Zig:12   | Killed Qenualo the pandemonium lord
355215 | Zig:12   | Killed Decwun the pandemonium lord
355215 | Zig:12   | Killed Ming the pandemonium lord
355215 | Zig:12   | Noticed Seve Qikaf the pandemonium lord
355215 | Zig:12   | Killed Hoshraur the pandemonium lord
355215 | Zig:12   | Killed Dah Ybriff the pandemonium lord
355215 | Zig:12   | Killed Vuirph Zuirr the pandemonium lord
355216 | Zig:12   | Noticed Lepek the pandemonium lord
355216 | Zig:12   | Killed Eskucavat the pandemonium lord
355216 | Zig:12   | Killed Ofieqic the pandemonium lord
355216 | Zig:12   | Killed Pifof the pandemonium lord
355216 | Zig:12   | Noticed Xick the pandemonium lord
355217 | Zig:12   | Noticed Zeyj the pandemonium lord
355217 | Zig:12   | Killed Azurajev the pandemonium lord
355217 | Zig:12   | Killed Opirch the pandemonium lord
355217 | Zig:12   | Killed Dieh the pandemonium lord
355217 | Zig:12   | Killed Quem the pandemonium lord
355217 | Zig:12   | Killed Ekanga Fuess the pandemonium lord
355217 | Zig:12   | Killed Xanoadeg the pandemonium lord
355218 | Zig:12   | Killed Boarir the pandemonium lord
355218 | Zig:12   | Killed Nuofeh the pandemonium lord
355218 | Zig:12   | Killed Refoy the pandemonium lord
355218 | Zig:12   | Killed Yracoq the pandemonium lord
355219 | Zig:12   | Noticed Ylingi Zeargh the pandemonium lord
355219 | Zig:12   | Killed Nehisiaz the pandemonium lord
355219 | Zig:12   | Noticed Jeveinoi the pandemonium lord
355220 | Zig:12   | Killed Eroefoed the pandemonium lord
355220 | Zig:12   | Noticed Tomoi the pandemonium lord
355220 | Zig:12   | Noticed Riklib Raqo the pandemonium lord
355221 | Zig:12   | Noticed Locol the pandemonium lord
355221 | Zig:12   | Noticed Virurch the pandemonium lord
355222 | Zig:12   | Noticed Uqirghude the pandemonium lord
355223 | Zig:12   | Noticed Xickukoo the pandemonium lord
355223 | Zig:12   | Noticed Koufea the pandemonium lord
355223 | Zig:12   | Noticed Qoejer the pandemonium lord
355223 | Zig:12   | Noticed Nerouq Xeud the pandemonium lord
355223 | Zig:12   | Noticed Ureiqos the pandemonium lord
355223 | Zig:12   | Noticed Eshiok the pandemonium lord
355223 | Zig:12   | Noticed Bohigit the pandemonium lord
355223 | Zig:12   | Noticed Puyniola the pandemonium lord
355223 | Zig:12   | Noticed Epouxa the pandemonium lord
355225 | Zig:12   | Noticed Icicunua the pandemonium lord
355225 | Zig:12   | Noticed Peakamne the pandemonium lord
355225 | Zig:12   | Noticed Mungecemury the pandemonium lord
355225 | Zig:12   | Noticed Irydyn the pandemonium lord
355225 | Zig:12   | Noticed Naerexai the pandemonium lord
355225 | Zig:12   | Killed Nitoferodu the pandemonium lord
355225 | Zig:12   | Noticed Lozisuept the pandemonium lord
355226 | Zig:12   | Noticed Pyotiori the pandemonium lord
355226 | Zig:12   | Noticed Ixixy the pandemonium lord
355226 | Zig:12   | Killed Tegeukh the pandemonium lord
355226 | Zig:12   | Killed Fies the pandemonium lord
355226 | Zig:12   | Killed Nerouq Xeud the pandemonium lord
355226 | Zig:12   | Killed Virurch the pandemonium lord
355227 | Zig:12   | Killed Kojig the pandemonium lord
355227 | Zig:12   | Killed Ylingi Zeargh the pandemonium lord
355227 | Zig:12   | Killed Jeveinoi the pandemonium lord
355227 | Zig:12   | Killed Xick the pandemonium lord
355227 | Zig:12   | Killed Jalaxzou the pandemonium lord
355227 | Zig:12   | Killed Qoejer the pandemonium lord
355227 | Zig:12   | Killed Mungecemury the pandemonium lord
355227 | Zig:12   | Killed Seve Qikaf the pandemonium lord
355227 | Zig:12   | Noticed Uwofagob the pandemonium lord
355228 | Zig:12   | Killed Xickukoo the pandemonium lord
355228 | Zig:12   | Killed Uqirghude the pandemonium lord
355228 | Zig:12   | Killed Witiyc the pandemonium lord
355228 | Zig:12   | Killed Riklib Raqo the pandemonium lord
355228 | Zig:12   | Killed Bohigit the pandemonium lord
355228 | Zig:12   | Killed Irydyn the pandemonium lord
355228 | Zig:12   | Killed Ypiss the pandemonium lord
355228 | Zig:12   | Killed Zeyj the pandemonium lord
355228 | Zig:12   | Killed Eshiok the pandemonium lord
355228 | Zig:12   | Noticed Rearghy the pandemonium lord
355229 | Zig:12   | Killed Koufea the pandemonium lord
355231 | Zig:12   | Killed Tomoi the pandemonium lord
355231 | Zig:12   | Killed Epouxa the pandemonium lord
355231 | Zig:12   | Killed Qojubiti the pandemonium lord
355231 | Zig:12   | Killed Pyotiori the pandemonium lord
355231 | Zig:12   | Killed Locol the pandemonium lord
355232 | Zig:12   | Killed Peakamne the pandemonium lord
355233 | Zig:12   | Killed Icicunua the pandemonium lord
355233 | Zig:12   | Killed Puyniola the pandemonium lord
355233 | Zig:12   | Killed Cutemez the pandemonium lord
355233 | Zig:12   | Killed Lepek the pandemonium lord
355234 | Zig:12   | Noticed Sihob the pandemonium lord
355235 | Zig:12   | Killed Ureiqos the pandemonium lord
355235 | Zig:12   | Killed Rearghy the pandemonium lord
355236 | Zig:12   | Killed Naerexai the pandemonium lord
355236 | Zig:12   | Noticed Ywiphub the pandemonium lord
355238 | Zig:12   | Killed Sihob the pandemonium lord
355238 | Zig:12   | Noticed Coomn the pandemonium lord
355238 | Zig:12   | Noticed Ufute the pandemonium lord
355238 | Zig:12   | Noticed Gat Ora Asac the pandemonium lord
355239 | Zig:12   | Noticed Puyrorgh the pandemonium lord
355240 | Zig:12   | Killed Ywiphub the pandemonium lord
355240 | Zig:12   | Noticed Nuitanogo the pandemonium lord
355240 | Zig:12   | Noticed Zufigg the pandemonium lord
355240 | Zig:12   | Killed Lozisuept the pandemonium lord
355240 | Zig:12   | Noticed Zuffatzau the pandemonium lord
355241 | Zig:12   | Killed Coomn the pandemonium lord
355241 | Zig:12   | Killed Ufute the pandemonium lord
355242 | Zig:12   | Noticed Qomueb the pandemonium lord
355242 | Zig:12   | Noticed Kitisene the pandemonium lord
355243 | Zig:12   | Killed Uwofagob the pandemonium lord
355243 | Zig:12   | Killed Zuffatzau the pandemonium lord
355243 | Zig:12   | Noticed Farics the pandemonium lord
355244 | Zig:12   | Killed Kitisene the pandemonium lord
355244 | Zig:12   | Killed Zufigg the pandemonium lord
355244 | Zig:12   | Killed Nuitanogo the pandemonium lord
355245 | Zig:12   | Noticed Xeteomi the pandemonium lord
355245 | Zig:12   | Killed Puyrorgh the pandemonium lord
355245 | Zig:12   | Noticed Ugonet the pandemonium lord
355245 | Zig:12   | Noticed Dipexkus the pandemonium lord
355245 | Zig:12   | Noticed Teifiss the pandemonium lord
355247 | Zig:12   | Noticed Begoqos the pandemonium lord
355247 | Zig:12   | Noticed Cyamemaura the pandemonium lord
355248 | Zig:12   | Noticed Jaygirats the pandemonium lord
355249 | Zig:12   | Noticed Orghocrucyga the pandemonium lord
355250 | Zig:12   | Killed Ugonet the pandemonium lord
355251 | Zig:12   | Killed Jaygirats the pandemonium lord
355251 | Zig:12   | Killed Cyamemaura the pandemonium lord
355251 | Zig:12   | Noticed Myipipp the pandemonium lord
355251 | Zig:12   | Noticed Viunkesm the pandemonium lord
355252 | Zig:12   | Killed Xeteomi the pandemonium lord
355252 | Zig:12   | Killed Qomueb the pandemonium lord
355252 | Zig:12   | Killed Begoqos the pandemonium lord
355252 | Zig:12   | Noticed Zeamium the pandemonium lord
355252 | Zig:12   | Killed Gat Ora Asac the pandemonium lord
355253 | Zig:12   | Noticed Eqemeluw the pandemonium lord
355253 | Zig:12   | Killed Teifiss the pandemonium lord
355253 | Zig:12   | Killed Farics the pandemonium lord
355253 | Zig:12   | Killed Eqemeluw the pandemonium lord
355253 | Zig:12   | Killed Dipexkus the pandemonium lord
355253 | Zig:12   | Killed Orghocrucyga the pandemonium lord
355253 | Zig:12   | Noticed Fiufutea the pandemonium lord
355253 | Zig:12   | Noticed Funar the pandemonium lord
355254 | Zig:12   | Killed Funar the pandemonium lord
355254 | Zig:12   | Killed Viunkesm the pandemonium lord
355254 | Zig:12   | Noticed Pixtal the pandemonium lord
355255 | Zig:12   | Killed Myipipp the pandemonium lord
355256 | Zig:12   | Noticed Weazaxt the pandemonium lord
355256 | Zig:12   | Noticed Badao the pandemonium lord
355257 | Zig:12   | Noticed Beg Etro the pandemonium lord
355257 | Zig:12   | Killed Fiufutea the pandemonium lord
355257 | Zig:12   | Noticed Ubletsya the pandemonium lord
355257 | Zig:12   | Noticed Soataret the pandemonium lord
355257 | Zig:12   | Killed Badao the pandemonium lord
355258 | Zig:12   | Killed Beg Etro the pandemonium lord
355258 | Zig:12   | Killed Weazaxt the pandemonium lord
355258 | Zig:12   | Killed Pixtal the pandemonium lord
355258 | Zig:12   | Noticed Nabogouradu the pandemonium lord
355258 | Zig:12   | Noticed Fuat the pandemonium lord
355259 | Zig:12   | Noticed Ukhiu the pandemonium lord
355259 | Zig:12   | Killed Soataret the pandemonium lord
355259 | Zig:12   | Killed Zeamium the pandemonium lord
355259 | Zig:12   | Noticed Fiheff the pandemonium lord
355260 | Zig:12   | Noticed Ticobool the pandemonium lord
355260 | Zig:12   | Noticed Olluar the pandemonium lord
355261 | Zig:12   | Killed Ubletsya the pandemonium lord
355261 | Zig:12   | Noticed Waogit the pandemonium lord
355262 | Zig:12   | Killed Ixixy the pandemonium lord
355262 | Zig:12   | Noticed Tarulid the pandemonium lord
355263 | Zig:12   | Killed Ukhiu the pandemonium lord
355264 | Zig:12   | Killed Fuat the pandemonium lord
355264 | Zig:12   | Killed Olluar the pandemonium lord
355264 | Zig:12   | Killed Fiheff the pandemonium lord
355264 | Zig:12   | Noticed Feme the pandemonium lord
355266 | Zig:12   | Killed Waogit the pandemonium lord
355267 | Zig:12   | Killed Tarulid the pandemonium lord
355267 | Zig:12   | Noticed Juorutz the pandemonium lord
355268 | Zig:12   | Killed Nabogouradu the pandemonium lord
355268 | Zig:12   | Killed Juorutz the pandemonium lord
355268 | Zig:12   | Killed Ticobool the pandemonium lord
355270 | Zig:12   | Killed Feme the pandemonium lord
355271 | Zig:12   | Noticed Argheol the pandemonium lord
355271 | Zig:12   | Noticed Faghuc the pandemonium lord
355272 | Zig:12   | Killed Argheol the pandemonium lord
355273 | Zig:12   | Killed Faghuc the pandemonium lord
355275 | Zig:12   | Noticed Pafrog the pandemonium lord
355281 | Zig:12   | Killed Pafrog the pandemonium lord
355348 | Zig:12   | Identified the ring "Irighys" {rC+++ Str+2 Int-3 Dex+6
                  | Stlth-}
355356 | Zig:12   | Identified the +7 rapier of Zyhitene {venom, rElec}
355364 | Zig:12   | Identified the +11 spear "Beastbane" {heavy, Dex+2}
355366 | Zig:12   | Identified the +6 scale mail of Untold Secrets {Fly}
355367 | Zig:12   | Identified the amulet of the King {Spirit rF+ Will- Regen+}
355371 | Zig:12   | Identified the +1 spear of the Inferno {drain, Dex+2}
355374 | Zig:12   | Identified the +0 plate armour of Keir {Rampage}
355380 | Zig:12   | Identified the +1 dagger of Sampuym {distort, ^Fragile
                  | rElec Dex+5}
355626 | Zig:13   | Entered Level 13 of a ziggurat
355626 | Zig:13   | Noticed Ditax the pandemonium lord
355626 | Zig:13   | Noticed Qufossil the pandemonium lord
355626 | Zig:13   | Noticed Suup the pandemonium lord
355626 | Zig:13   | Noticed Afimek the pandemonium lord
355626 | Zig:13   | Noticed Xuristru the pandemonium lord
355626 | Zig:13   | Noticed Renall the pandemonium lord
355626 | Zig:13   | Noticed Popleziq the pandemonium lord
355626 | Zig:13   | Noticed Rasik the pandemonium lord
355626 | Zig:13   | Noticed Sufousu the pandemonium lord
355626 | Zig:13   | Noticed Ganiat the pandemonium lord
355626 | Zig:13   | Noticed Mygasey the pandemonium lord
355626 | Zig:13   | Noticed Ocloihu the pandemonium lord
355626 | Zig:13   | Noticed Ruvuqore the pandemonium lord
355626 | Zig:13   | Noticed Urebb the pandemonium lord
355626 | Zig:13   | Noticed Uquem the pandemonium lord
355626 | Zig:13   | Noticed Efrure the pandemonium lord
355626 | Zig:13   | Noticed Jofeot the pandemonium lord
355626 | Zig:13   | Noticed Ychukimp the pandemonium lord
355626 | Zig:13   | Noticed Hinotihe the pandemonium lord
355626 | Zig:13   | Noticed Dulenaah the pandemonium lord
355626 | Zig:13   | Noticed Sefiz the pandemonium lord
355626 | Zig:13   | Noticed Istrec the pandemonium lord
355626 | Zig:13   | Noticed Waimp the pandemonium lord
355626 | Zig:13   | Noticed Saezog the pandemonium lord
355626 | Zig:13   | Noticed Vopeoqeq the pandemonium lord
355626 | Zig:13   | Noticed Guxi the pandemonium lord
355626 | Zig:13   | Noticed Ychifane the pandemonium lord
355626 | Zig:13   | Noticed Giyrekle the pandemonium lord
355626 | Zig:13   | Noticed Efegaw the pandemonium lord
355626 | Zig:13   | Noticed Qyt Sat the pandemonium lord
355626 | Zig:13   | Noticed Rarausew the pandemonium lord
355626 | Zig:13   | Noticed Cystagg the pandemonium lord
355626 | Zig:13   | Noticed Emihio Sihi the pandemonium lord
355626 | Zig:13   | Noticed Ubbexidu the pandemonium lord
355626 | Zig:13   | Noticed Qelob the pandemonium lord
355626 | Zig:13   | Noticed Buf Waop the pandemonium lord
355626 | Zig:13   | Noticed Ypsudepo the pandemonium lord
355626 | Zig:13   | Noticed Jizeci the pandemonium lord
355626 | Zig:13   | Noticed Alefuits the pandemonium lord
355626 | Zig:13   | Noticed Xotrupn the pandemonium lord
355626 | Zig:13   | Noticed Nemmios the pandemonium lord
355626 | Zig:13   | Noticed Ymecucau the pandemonium lord
355626 | Zig:13   | Noticed Xoehit Wosa the pandemonium lord
355626 | Zig:13   | Noticed Gedoqe the pandemonium lord
355626 | Zig:13   | Noticed Cuaps the pandemonium lord
355626 | Zig:13   | Noticed Laguet the pandemonium lord
355626 | Zig:13   | Noticed Xudiy the pandemonium lord
355626 | Zig:13   | Noticed Ezaeroc the pandemonium lord
355626 | Zig:13   | Noticed Qiur the pandemonium lord
355626 | Zig:13   | Noticed Qafy the pandemonium lord
355627 | Zig:13   | Killed Xudiy the pandemonium lord
355627 | Zig:13   | Noticed Natam the pandemonium lord
355628 | Zig:13   | Noticed Bikug the pandemonium lord
355628 | Zig:13   | Noticed Aguesume the pandemonium lord
355628 | Zig:13   | Noticed Zitiekkor the pandemonium lord
355629 | Zig:13   | Killed Efegaw the pandemonium lord
355629 | Zig:13   | Killed Gedoqe the pandemonium lord
355629 | Zig:13   | Killed Saezog the pandemonium lord
355629 | Zig:13   | Killed Waimp the pandemonium lord
355629 | Zig:13   | Killed Ypsudepo the pandemonium lord
355629 | Zig:13   | Killed Ezaeroc the pandemonium lord
355629 | Zig:13   | Killed Rarausew the pandemonium lord
355629 | Zig:13   | Killed Jofeot the pandemonium lord
355629 | Zig:13   | Killed Xuristru the pandemonium lord
355629 | Zig:13   | Killed Nemmios the pandemonium lord
355629 | Zig:13   | Noticed Gacu the pandemonium lord
355630 | Zig:13   | Killed Xotrupn the pandemonium lord
355630 | Zig:13   | Killed Laguet the pandemonium lord
355630 | Zig:13   | Killed Buf Waop the pandemonium lord
355630 | Zig:13   | Killed Ymecucau the pandemonium lord
355630 | Zig:13   | Killed Xoehit Wosa the pandemonium lord
355630 | Zig:13   | Killed Ubbexidu the pandemonium lord
355630 | Zig:13   | Killed Qelob the pandemonium lord
355630 | Zig:13   | Killed Giyrekle the pandemonium lord
355630 | Zig:13   | Killed Cystagg the pandemonium lord
355630 | Zig:13   | Killed Ychifane the pandemonium lord
355630 | Zig:13   | Killed Qyt Sat the pandemonium lord
355630 | Zig:13   | Killed Istrec the pandemonium lord
355630 | Zig:13   | Killed Sufousu the pandemonium lord
355630 | Zig:13   | Killed Vopeoqeq the pandemonium lord
355630 | Zig:13   | Killed Sefiz the pandemonium lord
355630 | Zig:13   | Killed Efrure the pandemonium lord
355630 | Zig:13   | Killed Ganiat the pandemonium lord
355630 | Zig:13   | Killed Suup the pandemonium lord
355630 | Zig:13   | Killed Hinotihe the pandemonium lord
355630 | Zig:13   | Killed Cuaps the pandemonium lord
355631 | Zig:13   | Killed Alefuits the pandemonium lord
355631 | Zig:13   | Killed Emihio Sihi the pandemonium lord
355631 | Zig:13   | Killed Mygasey the pandemonium lord
355631 | Zig:13   | Killed Qufossil the pandemonium lord
355631 | Zig:13   | Killed Ocloihu the pandemonium lord
355631 | Zig:13   | Killed Qiur the pandemonium lord
355631 | Zig:13   | Killed Dulenaah the pandemonium lord
355631 | Zig:13   | Noticed Kotsicee the pandemonium lord
355631 | Zig:13   | Killed Natam the pandemonium lord
355631 | Zig:13   | Noticed Ulougraw the pandemonium lord
355631 | Zig:13   | Noticed Dem Ejyr the pandemonium lord
355632 | Zig:13   | Killed Jizeci the pandemonium lord
355632 | Zig:13   | Killed Qafy the pandemonium lord
355632 | Zig:13   | Killed Guxi the pandemonium lord
355632 | Zig:13   | Killed Uquem the pandemonium lord
355632 | Zig:13   | Killed Popleziq the pandemonium lord
355632 | Zig:13   | Killed Renall the pandemonium lord
355632 | Zig:13   | Killed Afimek the pandemonium lord
355632 | Zig:13   | Noticed Yseicic the pandemonium lord
355632 | Zig:13   | Noticed Jojuec the pandemonium lord
355632 | Zig:13   | Noticed Mutiful the pandemonium lord
355633 | Zig:13   | Noticed Onopomom the pandemonium lord
355633 | Zig:13   | Killed Gacu the pandemonium lord
355633 | Zig:13   | Killed Ditax the pandemonium lord
355633 | Zig:13   | Killed Bikug the pandemonium lord
355633 | Zig:13   | Killed Onopomom the pandemonium lord
355633 | Zig:13   | Killed Zitiekkor the pandemonium lord
355633 | Zig:13   | Killed Ychukimp the pandemonium lord
355633 | Zig:13   | Noticed Rasemac the pandemonium lord
355633 | Zig:13   | Noticed Iriuq the pandemonium lord
355634 | Zig:13   | Killed Rasik the pandemonium lord
355634 | Zig:13   | Killed Iriuq the pandemonium lord
355634 | Zig:13   | Killed Dem Ejyr the pandemonium lord
355634 | Zig:13   | Noticed Agaoc the pandemonium lord
355635 | Zig:13   | Killed Ruvuqore the pandemonium lord
355635 | Zig:13   | Killed Kotsicee the pandemonium lord
355635 | Zig:13   | Killed Urebb the pandemonium lord
355635 | Zig:13   | Killed Yseicic the pandemonium lord
355635 | Zig:13   | Killed Aguesume the pandemonium lord
355635 | Zig:13   | Noticed Oluwk the pandemonium lord
355635 | Zig:13   | Noticed Waclopen the pandemonium lord
355635 | Zig:13   | Noticed Comozin the pandemonium lord
355635 | Zig:13   | Noticed Piggiwn the pandemonium lord
355635 | Zig:13   | Noticed Umpamucw the pandemonium lord
355636 | Zig:13   | Noticed Reozatha the pandemonium lord
355636 | Zig:13   | Killed Rasemac the pandemonium lord
355636 | Zig:13   | Killed Mutiful the pandemonium lord
355636 | Zig:13   | Noticed Zunkoy the pandemonium lord
355636 | Zig:13   | Noticed Fiam Modu the pandemonium lord
355637 | Zig:13   | Noticed Wuwkoargh the pandemonium lord
355637 | Zig:13   | Killed Ulougraw the pandemonium lord
355637 | Zig:13   | Killed Zunkoy the pandemonium lord
355637 | Zig:13   | Noticed Nexec the pandemonium lord
355637 | Zig:13   | Noticed Qafael the pandemonium lord
355638 | Zig:13   | Killed Agaoc the pandemonium lord
355638 | Zig:13   | Killed Waclopen the pandemonium lord
355638 | Zig:13   | Killed Fiam Modu the pandemonium lord
355638 | Zig:13   | Killed Piggiwn the pandemonium lord
355638 | Zig:13   | Noticed Siateam the pandemonium lord
355638 | Zig:13   | Killed Umpamucw the pandemonium lord
355639 | Zig:13   | Noticed Nisib the pandemonium lord
355639 | Zig:13   | Noticed Bogoudd the pandemonium lord
355640 | Zig:13   | Killed Reozatha the pandemonium lord
355640 | Zig:13   | Killed Comozin the pandemonium lord
355640 | Zig:13   | Killed Qafael the pandemonium lord
355640 | Zig:13   | Killed Jojuec the pandemonium lord
355640 | Zig:13   | Banished Bogoudd the pandemonium lord
355640 | Zig:13   | Noticed Pemogg the pandemonium lord
355640 | Zig:13   | Noticed Zumah the pandemonium lord
355640 | Zig:13   | Noticed Ytimeurr the pandemonium lord
355640 | Zig:13   | Noticed Himpiat the pandemonium lord
355641 | Zig:13   | Noticed Qyaptad the pandemonium lord
355642 | Zig:13   | Killed Wuwkoargh the pandemonium lord
355642 | Zig:13   | Noticed Gidaba the pandemonium lord
355643 | Zig:13   | Killed Ytimeurr the pandemonium lord
355643 | Zig:13   | Killed Nexec the pandemonium lord
355643 | Zig:13   | Killed Zumah the pandemonium lord
355644 | Zig:13   | Noticed Xyugoule the pandemonium lord
355645 | Zig:13   | Noticed Epohovaa the pandemonium lord
355645 | Zig:13   | Noticed Vatroan the pandemonium lord
355645 | Zig:13   | Killed Gidaba the pandemonium lord
355646 | Zig:13   | Killed Lacramibb the pandemonium lord
355647 | Zig:13   | Noticed Hithrona the pandemonium lord
355647 | Zig:13   | Killed Siateam the pandemonium lord
355647 | Zig:13   | Noticed Tunym the pandemonium lord
355647 | Zig:13   | Noticed Tocatwuv the pandemonium lord
355648 | Zig:13   | Killed Epohovaa the pandemonium lord
355648 | Zig:13   | Killed Tocatwuv the pandemonium lord
355648 | Zig:13   | Killed Hithrona the pandemonium lord
355648 | Zig:13   | Killed Nisib the pandemonium lord
355648 | Zig:13   | Killed Vatroan the pandemonium lord
355648 | Zig:13   | Noticed Getum the pandemonium lord
355649 | Zig:13   | Noticed Qianiz the pandemonium lord
355650 | Zig:13   | Killed Himpiat the pandemonium lord
355650 | Zig:13   | Killed Xyugoule the pandemonium lord
355650 | Zig:13   | Killed Pemogg the pandemonium lord
355650 | Zig:13   | Killed Qyaptad the pandemonium lord
355650 | Zig:13   | Noticed Heivvetz the pandemonium lord
355650 | Zig:13   | Killed Oluwk the pandemonium lord
355652 | Zig:13   | Killed Getum the pandemonium lord
355652 | Zig:13   | Killed Tunym the pandemonium lord
355652 | Zig:13   | Noticed Wiqasih the pandemonium lord
355652 | Zig:13   | Noticed Vugeu the pandemonium lord
355652 | Zig:13   | Noticed Hudoadgh the pandemonium lord
355652 | Zig:13   | Noticed Giameepu the pandemonium lord
355652 | Zig:13   | Noticed Oczeg the pandemonium lord
355653 | Zig:13   | Killed Heivvetz the pandemonium lord
355653 | Zig:13   | Noticed Tempejod the pandemonium lord
355653 | Zig:13   | Noticed Xuh Hiuh the pandemonium lord
355654 | Zig:13   | Killed Qianiz the pandemonium lord
355654 | Zig:13   | Noticed Vito the pandemonium lord
355654 | Zig:13   | Noticed Tiblicus the pandemonium lord
355655 | Zig:13   | Noticed Nugi the pandemonium lord
355655 | Zig:13   | Killed Oczeg the pandemonium lord
355655 | Zig:13   | Noticed Syamubl Foni the pandemonium lord
355655 | Zig:13   | Noticed Wete Byrcho the pandemonium lord
355655 | Zig:13   | Noticed Wafe the pandemonium lord
355656 | Zig:13   | Killed Vugeu the pandemonium lord
355656 | Zig:13   | Killed Tempejod the pandemonium lord
355656 | Zig:13   | Killed Wafe the pandemonium lord
355656 | Zig:13   | Killed Tiblicus the pandemonium lord
355656 | Zig:13   | Noticed Nonip the pandemonium lord
355656 | Zig:13   | Noticed Kube the pandemonium lord
355656 | Zig:13   | Noticed Tekhiu Musu the pandemonium lord
355656 | Zig:13   | Noticed Kugig the pandemonium lord
355657 | Zig:13   | Killed Xuh Hiuh the pandemonium lord
355657 | Zig:13   | Killed Hudoadgh the pandemonium lord
355657 | Zig:13   | Noticed Yhodgh Taint the pandemonium lord
355657 | Zig:13   | Banished Jeged the pandemonium lord
355658 | Zig:13   | Killed Nugi the pandemonium lord
355658 | Zig:13   | Killed Vito the pandemonium lord
355658 | Zig:13   | Killed Qappynk the pandemonium lord
355658 | Zig:13   | Killed Wiqasih the pandemonium lord
355658 | Zig:13   | Noticed Souta the pandemonium lord
355658 | Zig:13   | Noticed Igguoren the pandemonium lord
355658 | Zig:13   | Killed Wete Byrcho the pandemonium lord
355658 | Zig:13   | Noticed Menn the pandemonium lord
355658 | Zig:13   | Killed Susih the pandemonium lord
355658 | Zig:13   | Killed Giameepu the pandemonium lord
355658 | Zig:13   | Noticed Jookhlaw the pandemonium lord
355659 | Zig:13   | Killed Kugig the pandemonium lord
355659 | Zig:13   | Killed Kube the pandemonium lord
355659 | Zig:13   | Killed Nonip the pandemonium lord
355659 | Zig:13   | Killed Tekhiu Musu the pandemonium lord
355659 | Zig:13   | Noticed Kagrir the pandemonium lord
355659 | Zig:13   | Noticed Cioss the pandemonium lord
355660 | Zig:13   | Noticed Arasuum the pandemonium lord
355660 | Zig:13   | Killed Souta the pandemonium lord
355661 | Zig:13   | Noticed Eruu the pandemonium lord
355662 | Zig:13   | Noticed Najesko the pandemonium lord
355662 | Zig:13   | Killed Najesko the pandemonium lord
355662 | Zig:13   | Killed Jurghig the pandemonium lord
355662 | Zig:13   | Killed Jookhlaw the pandemonium lord
355662 | Zig:13   | Killed Yhodgh Taint the pandemonium lord
355662 | Zig:13   | Noticed Boowk the pandemonium lord
355663 | Zig:13   | Killed Menn the pandemonium lord
355663 | Zig:13   | Killed Syamubl Foni the pandemonium lord
355663 | Zig:13   | Killed Nyzxof the pandemonium lord
355663 | Zig:13   | Killed Pinewkosh the pandemonium lord
355663 | Zig:13   | Killed Eruu the pandemonium lord
355664 | Zig:13   | Killed Donag the pandemonium lord
355664 | Zig:13   | Killed Cioss the pandemonium lord
355664 | Zig:13   | Noticed Casirchy the pandemonium lord
355665 | Zig:13   | Killed Boowk the pandemonium lord
355665 | Zig:13   | Noticed Utae the pandemonium lord
355665 | Zig:13   | Noticed Noujib the pandemonium lord
355665 | Zig:13   | Noticed Hoeqaoz the pandemonium lord
355665 | Zig:13   | Noticed Nipt the pandemonium lord
355666 | Zig:13   | Killed Hoeqaoz the pandemonium lord
355666 | Zig:13   | Killed Igguoren the pandemonium lord
355667 | Zig:13   | Killed Utae the pandemonium lord
355667 | Zig:13   | Killed Casirchy the pandemonium lord
355667 | Zig:13   | Killed Arasuum the pandemonium lord
355667 | Zig:13   | Killed Nipt the pandemonium lord
355667 | Zig:13   | Killed Yjagef the pandemonium lord
355667 | Zig:13   | Killed Saisis the pandemonium lord
355667 | Zig:13   | Killed Kagrir the pandemonium lord
355668 | Zig:13   | Noticed Aleusyw the pandemonium lord
355668 | Zig:13   | Noticed Ogruafus the pandemonium lord
355668 | Zig:13   | Killed Noujib the pandemonium lord
355669 | Zig:13   | Noticed Imoutiw the pandemonium lord
355669 | Zig:13   | Noticed Moes the pandemonium lord
355669 | Zig:13   | Noticed Moitz the pandemonium lord
355669 | Zig:13   | Noticed Wogh the pandemonium lord
355669 | Zig:13   | Noticed Ongoc the pandemonium lord
355669 | Zig:13   | Killed Imoutiw the pandemonium lord
355669 | Zig:13   | Noticed Owkunautt the pandemonium lord
355669 | Zig:13   | Noticed Jeloenem the pandemonium lord
355670 | Zig:13   | Killed Aleusyw the pandemonium lord
355670 | Zig:13   | Killed Owkunautt the pandemonium lord
355670 | Zig:13   | Killed Wogh the pandemonium lord
355670 | Zig:13   | Killed Bamaetoemi the pandemonium lord
355670 | Zig:13   | Killed Jeloenem the pandemonium lord
355670 | Zig:13   | Killed Moitz the pandemonium lord
355670 | Zig:13   | Killed Sappaat the pandemonium lord
355670 | Zig:13   | Noticed Tyinyrom the pandemonium lord
355670 | Zig:13   | Noticed Ipizirph the pandemonium lord
355671 | Zig:13   | Killed Ogruafus the pandemonium lord
355671 | Zig:13   | Killed Ongoc the pandemonium lord
355671 | Zig:13   | Noticed Qiraisal the pandemonium lord
355671 | Zig:13   | Noticed Desh the pandemonium lord
355673 | Zig:13   | Noticed Bywka the pandemonium lord
355673 | Zig:13   | Noticed Ufirac the pandemonium lord
355673 | Zig:13   | Noticed Annaux the pandemonium lord
355673 | Zig:13   | Noticed Oxkuimas the pandemonium lord
355673 | Zig:13   | Noticed Noneqa Xilao the pandemonium lord
355673 | Zig:13   | Killed Bywka the pandemonium lord
355674 | Zig:13   | Killed Qiraisal the pandemonium lord
355674 | Zig:13   | Killed Oxkuimas the pandemonium lord
355674 | Zig:13   | Killed Desh the pandemonium lord
355674 | Zig:13   | Killed Moes the pandemonium lord
355674 | Zig:13   | Killed Noneqa Xilao the pandemonium lord
355674 | Zig:13   | Killed Ipizirph the pandemonium lord
355674 | Zig:13   | Noticed Eniafipt the pandemonium lord
355675 | Zig:13   | Noticed Udeof the pandemonium lord
355675 | Zig:13   | Noticed Hesk the pandemonium lord
355675 | Zig:13   | Noticed Giariw the pandemonium lord
355676 | Zig:13   | Killed Ufirac the pandemonium lord
355676 | Zig:13   | Killed Annaux the pandemonium lord
355676 | Zig:13   | Killed Giariw the pandemonium lord
355676 | Zig:13   | Noticed Xadeiton the pandemonium lord
355677 | Zig:13   | Killed Xadeiton the pandemonium lord
355677 | Zig:13   | Killed Hesk the pandemonium lord
355678 | Zig:13   | Killed Tyinyrom the pandemonium lord
355678 | Zig:13   | Killed Eniafipt the pandemonium lord
355678 | Zig:13   | Noticed Kakh the pandemonium lord
355679 | Zig:13   | Killed Kakh the pandemonium lord
355679 | Zig:13   | Noticed Legyob the pandemonium lord
355681 | Zig:13   | Killed Udeof the pandemonium lord
355682 | Zig:13   | Killed Legyob the pandemonium lord
355732 | Zig:13   | Identified the +8 mace of Jufuts {protect, ^Fragile rC-
                  | rCorr Str+4}
355735 | Zig:13   | Identified the amulet "Uraupp" {RegenMP Str+2}
355742 | Zig:13   | Identified the +0 ring mail of Purpose {rF+ Dex+3}
355746 | Zig:13   | Identified the +4 orcbow "Qeeppuhe" {elec, Stlth+}
355819 | Zig:13   | Identified the +2 trident of Darkness {speed, rCorr Str+5
                  | SInv}
355822 | Zig:13   | Identified the amulet "Akecat" {Spirit *Slow rPois rN++
                  | Int+2}
355826 | Zig:13   | Identified the ring of the Median {rC- rCorr Int+4 SInv}
356106 | Zig:14   | Entered Level 14 of a ziggurat
356146 | Zig:14   | Identified the amulet "Dasseul" {Faith Str+2 Int+2 SInv
                  | Stlth+}
356150 | Zig:14   | Identified the +5 orcbow of the Scorching Boar {freeze,
                  | Dex+3 Stlth+}
356166 | Zig:14   | Identified the amulet "Leuhatis" {Spirit Will+ Slay+6}
356170 | Zig:14   | Identified the +0 falchion of Gehenna {venom, rElec rN+
                  | rCorr Stlth+}
356175 | Zig:14   | Identified the +7 long sword "Mumehec" {antimagic, ^Fragile
                  | rElec Dex+2}
356181 | Zig:14   | Identified the staff "Vuppid" {rF+ Str+3 Int-4 SInv Fire}
356618 | Zig:14   | Identified the +2 pair of gloves of Yredelemnul's Pride
                  | {+Blink Will+ Stlth-}
356619 | Zig:14   | Identified the +4 morningstar of Xoarrod {pain, rF+ Will+
                  | rCorr}
356621 | Zig:14   | Identified the ring of Ashenzari's Generosity {rC- rCorr
                  | Int+4 Dex+6 SInv}
356627 | Zig:14   | Identified the +5 sling of the Reaper {freeze, Will++
                  | Str-2}
356701 | Zig:14   | Identified the ring of the Ladybird {rCorr Int+4}
356720 | Zig:15   | Entered Level 15 of a ziggurat
356720 | Zig:15   | Noticed an orb of fire
356720 | Zig:15   | Noticed an orb of fire
356720 | Zig:15   | Noticed an orb of fire
356720 | Zig:15   | Noticed an orb of fire
356720 | Zig:15   | Noticed an orb of fire
356720 | Zig:15   | Noticed an orb of fire
356720 | Zig:15   | Noticed an orb of fire
356720 | Zig:15   | Noticed an orb of fire
356720 | Zig:15   | Noticed an orb of fire
356720 | Zig:15   | Noticed an orb of fire
356720 | Zig:15   | Noticed an orb of fire
356720 | Zig:15   | Noticed an orb of fire
356720 | Zig:15   | Noticed an orb of fire
356720 | Zig:15   | Noticed an orb of fire
356720 | Zig:15   | Noticed an orb of fire
356720 | Zig:15   | Noticed an orb of fire
356720 | Zig:15   | Noticed an orb of fire
356720 | Zig:15   | Noticed an orb of fire
356720 | Zig:15   | Noticed an orb of fire
356720 | Zig:15   | Noticed an orb of fire
356720 | Zig:15   | Noticed an orb of fire
356720 | Zig:15   | Noticed an orb of fire
356720 | Zig:15   | Noticed an orb of fire
356720 | Zig:15   | Noticed an orb of fire
356720 | Zig:15   | Noticed an orb of fire
356720 | Zig:15   | Noticed an orb of fire
356720 | Zig:15   | Noticed an orb of fire
356720 | Zig:15   | Noticed an orb of fire
356720 | Zig:15   | Noticed an orb of fire
356720 | Zig:15   | Noticed an orb of fire
356720 | Zig:15   | Noticed an orb of fire
356721 | Zig:15   | Noticed an orb of fire
356722 | Zig:15   | Noticed an orb of fire
356723 | Zig:15   | Killed an orb of fire
356723 | Zig:15   | Killed an orb of fire
356723 | Zig:15   | Killed an orb of fire
356723 | Zig:15   | Killed an orb of fire
356723 | Zig:15   | Killed an orb of fire
356723 | Zig:15   | Killed an orb of fire
356723 | Zig:15   | Noticed an orb of fire
356723 | Zig:15   | Noticed an orb of fire
356724 | Zig:15   | Killed an orb of fire
356724 | Zig:15   | Killed an orb of fire
356724 | Zig:15   | Killed an orb of fire
356724 | Zig:15   | Killed an orb of fire
356724 | Zig:15   | Killed an orb of fire
356724 | Zig:15   | Killed an orb of fire
356724 | Zig:15   | Killed an orb of fire
356724 | Zig:15   | Killed an orb of fire
356725 | Zig:15   | Killed an orb of fire
356725 | Zig:15   | Killed an orb of fire
356725 | Zig:15   | Killed an orb of fire
356725 | Zig:15   | Killed an orb of fire
356725 | Zig:15   | Killed an orb of fire
356726 | Zig:15   | Noticed an orb of fire
356726 | Zig:15   | Noticed an orb of fire
356726 | Zig:15   | Noticed an orb of fire
356726 | Zig:15   | Noticed an orb of fire
356726 | Zig:15   | Noticed an orb of fire
356726 | Zig:15   | Noticed an orb of fire
356727 | Zig:15   | Noticed an orb of fire
356727 | Zig:15   | Noticed an orb of fire
356727 | Zig:15   | Noticed an orb of fire
356727 | Zig:15   | Killed an orb of fire
356727 | Zig:15   | Killed an orb of fire
356727 | Zig:15   | Killed an orb of fire
356727 | Zig:15   | Killed an orb of fire
356727 | Zig:15   | Killed an orb of fire
356727 | Zig:15   | Killed an orb of fire
356727 | Zig:15   | Noticed an orb of fire
356728 | Zig:15   | Killed an orb of fire
356728 | Zig:15   | Killed an orb of fire
356728 | Zig:15   | Killed an orb of fire
356728 | Zig:15   | Killed an orb of fire
356728 | Zig:15   | Killed an orb of fire
356728 | Zig:15   | Killed an orb of fire
356728 | Zig:15   | Killed an orb of fire
356728 | Zig:15   | Killed an orb of fire
356728 | Zig:15   | Noticed an orb of fire
356729 | Zig:15   | Noticed an orb of fire
356729 | Zig:15   | Noticed an orb of fire
356729 | Zig:15   | Noticed an orb of fire
356729 | Zig:15   | Noticed an orb of fire
356729 | Zig:15   | Killed an orb of fire
356729 | Zig:15   | Noticed an orb of fire
356730 | Zig:15   | Killed an orb of fire
356730 | Zig:15   | Killed an orb of fire
356730 | Zig:15   | Noticed an orb of fire
356731 | Zig:15   | Killed an orb of fire
356731 | Zig:15   | Noticed an orb of fire
356731 | Zig:15   | Noticed an orb of fire
356732 | Zig:15   | Killed an orb of fire
356732 | Zig:15   | Killed an orb of fire
356732 | Zig:15   | Killed an orb of fire
356732 | Zig:15   | Killed an orb of fire
356732 | Zig:15   | Killed an orb of fire
356732 | Zig:15   | Noticed an orb of fire
356733 | Zig:15   | Noticed an orb of fire
356733 | Zig:15   | Noticed an orb of fire
356733 | Zig:15   | Noticed an orb of fire
356733 | Zig:15   | Noticed an orb of fire
356733 | Zig:15   | Noticed an orb of fire
356734 | Zig:15   | Killed an orb of fire
356734 | Zig:15   | Killed an orb of fire
356735 | Zig:15   | Killed an orb of fire
356735 | Zig:15   | Killed an orb of fire
356735 | Zig:15   | Killed an orb of fire
356735 | Zig:15   | Killed an orb of fire
356736 | Zig:15   | Noticed an orb of fire
356736 | Zig:15   | Killed an orb of fire
356736 | Zig:15   | Killed an orb of fire
356736 | Zig:15   | Killed an orb of fire
356736 | Zig:15   | Killed an orb of fire
356736 | Zig:15   | Noticed an orb of fire
356736 | Zig:15   | Noticed an orb of fire
356736 | Zig:15   | Noticed an orb of fire
356738 | Zig:15   | Killed an orb of fire
356738 | Zig:15   | Killed an orb of fire
356738 | Zig:15   | Killed an orb of fire
356738 | Zig:15   | Noticed an orb of fire
356739 | Zig:15   | Killed an orb of fire
356739 | Zig:15   | Killed an orb of fire
356739 | Zig:15   | Killed an orb of fire
356740 | Zig:15   | Noticed an orb of fire
356740 | Zig:15   | Noticed an orb of fire
356740 | Zig:15   | Noticed an orb of fire
356740 | Zig:15   | Noticed an orb of fire
356740 | Zig:15   | Noticed an orb of fire
356741 | Zig:15   | Killed an orb of fire
356741 | Zig:15   | Noticed an orb of fire
356741 | Zig:15   | Noticed an orb of fire
356741 | Zig:15   | Noticed an orb of fire
356742 | Zig:15   | Killed an orb of fire
356742 | Zig:15   | Noticed an orb of fire
356743 | Zig:15   | Killed an orb of fire
356743 | Zig:15   | Killed an orb of fire
356743 | Zig:15   | Killed an orb of fire
356743 | Zig:15   | Killed an orb of fire
356743 | Zig:15   | Killed an orb of fire
356744 | Zig:15   | Killed an orb of fire
356744 | Zig:15   | Killed an orb of fire
356744 | Zig:15   | Killed an orb of fire
356744 | Zig:15   | Noticed an orb of fire
356744 | Zig:15   | Noticed an orb of fire
356745 | Zig:15   | Killed an orb of fire
356745 | Zig:15   | Killed an orb of fire
356745 | Zig:15   | Killed an orb of fire
356745 | Zig:15   | Killed an orb of fire
356745 | Zig:15   | Noticed an orb of fire
356746 | Zig:15   | Killed an orb of fire
356746 | Zig:15   | Noticed an orb of fire
356747 | Zig:15   | Noticed an orb of fire
356747 | Zig:15   | Noticed an orb of fire
356747 | Zig:15   | Noticed an orb of fire
356747 | Zig:15   | Noticed an orb of fire
356747 | Zig:15   | Noticed an orb of fire
356748 | Zig:15   | Noticed an orb of fire
356748 | Zig:15   | Noticed an orb of fire
356748 | Zig:15   | Killed an orb of fire
356749 | Zig:15   | Killed an orb of fire
356749 | Zig:15   | Killed an orb of fire
356749 | Zig:15   | Killed an orb of fire
356749 | Zig:15   | Noticed an orb of fire
356749 | Zig:15   | Noticed an orb of fire
356750 | Zig:15   | Killed an orb of fire
356750 | Zig:15   | Killed an orb of fire
356750 | Zig:15   | Killed an orb of fire
356750 | Zig:15   | Noticed an orb of fire
356751 | Zig:15   | Noticed an orb of fire
356751 | Zig:15   | Noticed an orb of fire
356751 | Zig:15   | Noticed an orb of fire
356752 | Zig:15   | Killed an orb of fire
356752 | Zig:15   | Killed an orb of fire
356752 | Zig:15   | Killed an orb of fire
356752 | Zig:15   | Noticed an orb of fire
356753 | Zig:15   | Killed an orb of fire
356753 | Zig:15   | Killed an orb of fire
356753 | Zig:15   | Killed an orb of fire
356754 | Zig:15   | Killed an orb of fire
356755 | Zig:15   | Noticed an orb of fire
356755 | Zig:15   | Noticed an orb of fire
356755 | Zig:15   | Noticed an orb of fire
356755 | Zig:15   | Noticed an orb of fire
356755 | Zig:15   | Noticed an orb of fire
356756 | Zig:15   | Killed an orb of fire
356756 | Zig:15   | Killed an orb of fire
356756 | Zig:15   | Killed an orb of fire
356756 | Zig:15   | Killed an orb of fire
356757 | Zig:15   | Killed an orb of fire
356757 | Zig:15   | Killed an orb of fire
356757 | Zig:15   | Killed an orb of fire
356758 | Zig:15   | Killed an orb of fire
356758 | Zig:15   | Killed an orb of fire
356758 | Zig:15   | Killed an orb of fire
356761 | Zig:15   | Noticed an orb of fire
356762 | Zig:15   | Noticed an orb of fire
356762 | Zig:15   | Noticed an orb of fire
356767 | Zig:15   | Killed an orb of fire
356769 | Zig:15   | Killed an orb of fire
356769 | Zig:15   | Killed an orb of fire
356782 | Zig:15   | Identified the +11 quarterstaff "Dallem Joasm" {heavy,
                  | rPois Int+2 SInv}
356821 | Zig:15   | Identified the +9 arbalest "Orb Guardian's Bane" {elec,
                  | rPois Will+}
356836 | Zig:15   | Identified the ring "Bukhluif" {rElec rF+ rC+ Str+4 Dex+3}
356856 | Zig:15   | Identified the +7 storm dragon scales of the Desert
                  | {Rampage ^Drain rElec rF+ Slay+3 Stlth+}
356857 | Zig:15   | Identified the +4 ring mail of Xamum {Harm Str+5}
357291 | Zig:15   | Identified the +6 trident of Lalof {flame, Will+ Str+2}
357297 | Zig:15   | Identified the +7 great sword "Odyedy" {freeze, rN+}
357314 | Zig:16   | Entered Level 16 of a ziggurat
357315 | Zig:16   | Paralysed by an air elemental for 1 turns
357397 | Zig:16   | Identified the +7 rapier of Evolution {freeze, +Blink MP+9
                  | Int+3}
357834 | Zig:16   | Identified the +0 ring mail of Indemnity {Str+4}
357846 | Zig:16   | Identified the ring of Nyrouvvo {rN++ MP+9 Int+4 Stlth-}
357848 | Zig:16   | Identified the +2 robe of Otsouj {rElec Archmagi}
357853 | Zig:16   | Identified the +1 ring mail of Igyst {Dex+4 SInv}
357854 | Zig:16   | Identified the +1 robe of Day {rC+++ Will+ Str-3 Int-5}
357856 | Zig:16   | Identified the +10 eudemon blade of Capital Punishment
                  | {holy, Str+3}
357858 | Zig:16   | Identified the +0 ring mail of Eternal Vigilance {rElec
                  | Stlth+}
357869 | Zig:16   | Identified the +1 robe of Opomeket {Harm +Blink Str+5
                  | Int-3}
357871 | Zig:16   | Identified the +5 morningstar "Acyz" {flame, rElec rC+
                  | Str+3}
357877 | Zig:16   | Identified the staff "Fozeckei" {^Contam rN+ Dex+3 Necro
                  | Ice}
357921 | Zig:16   | Identified the +12 great sword of Teagux {speed, rC- rCorr
                  | Dex+3 Stlth+}
357965 | Zig:17   | Entered Level 17 of a ziggurat
358034 | Zig:17   | Identified the ring of Elie {rF+ rCorr}
358036 | Zig:17   | Identified the staff of Fauwkiex {rPois rCorr Hexes Ice Air
                  | Alchemy}
358042 | Zig:17   | Identified the ring of the Solstice {Str+3 Int+6 Stlth+}
358044 | Zig:17   | Identified the +5 scale mail of Xiygosk {rElec Will+
                  | Slay+3}
358046 | Zig:17   | Identified the staff "Topil" {rPois Str+8 SInv Stlth- Summ
                  | Alchemy}
358047 | Zig:17   | Identified the +10 long sword "Jellybane" {spect, rF+ rC-
                  | rCorr Stlth+}
358050 | Zig:17   | Identified the ring of Osyira {rF+ rC+ rN++ rCorr Str-4}
358056 | Zig:17   | Identified the +10 great sword of Paepazej {venom, rF+}
358058 | Zig:17   | Identified the +3 flail of Xom's Benevolence {flame, rF+
                  | rC++}
358063 | Zig:17   | Identified the +7 war axe "Avaelin" {flame, rN++ Str+5
                  | Dex-2 Stlth+}
358095 | Zig:17   | Identified the staff of Etwinahu {rElec Stlth+ Air}
358112 | Zig:17   | Identified the +10 scale mail "Ser Woer" {rPois Will- Str-3
                  | SInv}
358602 | Zig:18   | Entered Level 18 of a ziggurat
358619 | Zig:18   | Noticed a dread lich
358623 | Zig:18   | Killed a dread lich
358627 | Zig:18   | Noticed a dread lich
358629 | Zig:18   | Killed a dread lich
358630 | Zig:18   | Noticed a dread lich
358631 | Zig:18   | Killed a dread lich
358648 | Zig:18   | Identified the staff of Arrival {rElec rPois rN+ Earth}
359197 | Zig:18   | Identified the +2 battleaxe of the Six Ghosts {protect,
                  | ^Fragile Int+2 Dex+2}
359201 | Zig:18   | Identified the staff "Lehyrphi" {Conj Earth}
359219 | Zig:18   | Identified the +2 orcbow of the Sneaky Hells {flame, MP+9
                  | Int+3}
359229 | Zig:18   | Identified the ring "Ehoeggu" {Wiz *Slow rPois Int+4
                  | Slay-4}
359241 | Zig:18   | Identified the +6 glaive "Qogag" {drain, rC+ Str+3 SInv}
359242 | Zig:18   | Identified the +6 mace "Plog" {drain, Will+ Str+2 Int+3}
359243 | Zig:18   | Identified the +11 bardiche of Light {holy, rF++ Int+2}
359246 | Zig:18   | Identified the +4 double sword "Wyeps" {flame, *Noise Will+
                  | Str+7 Int+2}
359249 | Zig:18   | Identified the staff "Hoqaug" {rF+ Stlth+ Fire}
359252 | Zig:18   | Identified the +1 long sword "Ybloaz" {speed, Will+}
359254 | Zig:18   | Identified the staff "Hischusa" {rN+ MP+9 Necro Tloc}
359261 | Zig:18   | Identified the ring "Zeudghustru" {^Drain +Blink rPois
                  | Str+6}
359335 | Zig:18   | Identified the staff "Globulus" {MP+9 Earth}
359339 | Zig:18   | Identified the amulet of Rufakudd {Acrobat rElec Int+3}
359355 | Zig:19   | Entered Level 19 of a ziggurat
359355 | Zig:19   | Noticed Xubloc the pandemonium lord
359355 | Zig:19   | Noticed Zostroirgh the pandemonium lord
359355 | Zig:19   | Noticed Miuveepn the pandemonium lord
359355 | Zig:19   | Noticed Ukijogah the pandemonium lord
359355 | Zig:19   | Noticed Taga the pandemonium lord
359355 | Zig:19   | Noticed Qawk the pandemonium lord
359355 | Zig:19   | Noticed Lutoakh the pandemonium lord
359355 | Zig:19   | Noticed Pepita the pandemonium lord
359355 | Zig:19   | Noticed Jahisusch the pandemonium lord
359355 | Zig:19   | Noticed Raoclieq the pandemonium lord
359355 | Zig:19   | Noticed Poge the pandemonium lord
359355 | Zig:19   | Noticed Gecenuim the pandemonium lord
359355 | Zig:19   | Noticed Goihah the pandemonium lord
359355 | Zig:19   | Noticed Seakkoomoch the pandemonium lord
359355 | Zig:19   | Noticed Ilatzeu the pandemonium lord
359355 | Zig:19   | Noticed Vogoib the pandemonium lord
359355 | Zig:19   | Noticed Inaydess the pandemonium lord
359355 | Zig:19   | Noticed Qasejeke the pandemonium lord
359355 | Zig:19   | Noticed Noxzue the pandemonium lord
359355 | Zig:19   | Noticed Foshriema the pandemonium lord
359355 | Zig:19   | Noticed Lelime Riof the pandemonium lord
359355 | Zig:19   | Noticed Fyack the pandemonium lord
359355 | Zig:19   | Noticed Gavevoxo the pandemonium lord
359355 | Zig:19   | Noticed Catt the pandemonium lord
359355 | Zig:19   | Noticed Buus the pandemonium lord
359355 | Zig:19   | Noticed Daif the pandemonium lord
359355 | Zig:19   | Noticed Qunupp the pandemonium lord
359355 | Zig:19   | Noticed Izas the pandemonium lord
359355 | Zig:19   | Noticed Goent the pandemonium lord
359355 | Zig:19   | Noticed Kerch the pandemonium lord
359355 | Zig:19   | Noticed Xuutyori the pandemonium lord
359355 | Zig:19   | Noticed Totan the pandemonium lord
359355 | Zig:19   | Noticed Kitwis the pandemonium lord
359355 | Zig:19   | Noticed Nogut the pandemonium lord
359355 | Zig:19   | Noticed Douw Voe the pandemonium lord
359355 | Zig:19   | Noticed Dokhlit the pandemonium lord
359355 | Zig:19   | Noticed Tess the pandemonium lord
359355 | Zig:19   | Noticed Tithryrghi the pandemonium lord
359355 | Zig:19   | Noticed Ohiab the pandemonium lord
359355 | Zig:19   | Noticed Meiq the pandemonium lord
359355 | Zig:19   | Noticed Guzops the pandemonium lord
359355 | Zig:19   | Noticed Roell the pandemonium lord
359355 | Zig:19   | Noticed Latt the pandemonium lord
359355 | Zig:19   | Noticed Nuixaseo the pandemonium lord
359355 | Zig:19   | Noticed Udoor the pandemonium lord
359355 | Zig:19   | Noticed Nexestra the pandemonium lord
359355 | Zig:19   | Noticed Rulynwul the pandemonium lord
359355 | Zig:19   | Noticed Siwkoodepa the pandemonium lord
359356 | Zig:19   | Killed Foshriema the pandemonium lord
359356 | Zig:19   | Noticed Wyonualo the pandemonium lord
359357 | Zig:19   | Killed Nexestra the pandemonium lord
359358 | Zig:19   | Killed Douw Voe the pandemonium lord
359359 | Zig:19   | Noticed Qaethrun the pandemonium lord
359359 | Zig:19   | Killed Meiq the pandemonium lord
359361 | Zig:19   | Noticed Orphin the pandemonium lord
359361 | Zig:19   | Killed Latt the pandemonium lord
359361 | Zig:19   | Killed Guzops the pandemonium lord
359361 | Zig:19   | Killed Goent the pandemonium lord
359361 | Zig:19   | Killed Kerch the pandemonium lord
359361 | Zig:19   | Killed Tithryrghi the pandemonium lord
359361 | Zig:19   | Killed Kitwis the pandemonium lord
359361 | Zig:19   | Killed Tess the pandemonium lord
359361 | Zig:19   | Killed Poge the pandemonium lord
359362 | Zig:19   | Killed Buus the pandemonium lord
359362 | Zig:19   | Killed Xuutyori the pandemonium lord
359362 | Zig:19   | Killed Roell the pandemonium lord
359362 | Zig:19   | Killed Orphin the pandemonium lord
359362 | Zig:19   | Killed Daif the pandemonium lord
359362 | Zig:19   | Killed Lelime Riof the pandemonium lord
359362 | Zig:19   | Killed Goihah the pandemonium lord
359362 | Zig:19   | Killed Udoor the pandemonium lord
359362 | Zig:19   | Killed Wyonualo the pandemonium lord
359362 | Zig:19   | Killed Vogoib the pandemonium lord
359362 | Zig:19   | Killed Nuixaseo the pandemonium lord
359362 | Zig:19   | Killed Taga the pandemonium lord
359362 | Zig:19   | Killed Ukijogah the pandemonium lord
359362 | Zig:19   | Killed Qawk the pandemonium lord
359362 | Zig:19   | Killed Totan the pandemonium lord
359362 | Zig:19   | Killed Zostroirgh the pandemonium lord
359362 | Zig:19   | Killed Nogut the pandemonium lord
359363 | Zig:19   | Killed Catt the pandemonium lord
359363 | Zig:19   | Killed Dokhlit the pandemonium lord
359363 | Zig:19   | Killed Ohiab the pandemonium lord
359363 | Zig:19   | Killed Noxzue the pandemonium lord
359363 | Zig:19   | Killed Gavevoxo the pandemonium lord
359363 | Zig:19   | Killed Rulynwul the pandemonium lord
359363 | Zig:19   | Killed Xubloc the pandemonium lord
359363 | Zig:19   | Killed Qaethrun the pandemonium lord
359363 | Zig:19   | Killed Qasejeke the pandemonium lord
359363 | Zig:19   | Killed Seakkoomoch the pandemonium lord
359363 | Zig:19   | Killed Ilatzeu the pandemonium lord
359363 | Zig:19   | Killed Qunupp the pandemonium lord
359364 | Zig:19   | Killed Fyack the pandemonium lord
359364 | Zig:19   | Killed Gecenuim the pandemonium lord
359364 | Zig:19   | Killed Raoclieq the pandemonium lord
359364 | Zig:19   | Killed Izas the pandemonium lord
359364 | Zig:19   | Killed Miuveepn the pandemonium lord
359365 | Zig:19   | Killed Lutoakh the pandemonium lord
359365 | Zig:19   | Killed Siwkoodepa the pandemonium lord
359365 | Zig:19   | Noticed Umuesac the pandemonium lord
359366 | Zig:19   | Noticed Qagay the pandemonium lord
359366 | Zig:19   | Killed Pepita the pandemonium lord
359366 | Zig:19   | Killed Inaydess the pandemonium lord
359366 | Zig:19   | Noticed Wyerani the pandemonium lord
359366 | Zig:19   | Noticed Boublateim the pandemonium lord
359367 | Zig:19   | Killed Boublateim the pandemonium lord
359367 | Zig:19   | Noticed Wiakhlonk the pandemonium lord
359368 | Zig:19   | Noticed Ibobluam the pandemonium lord
359369 | Zig:19   | Killed Wyerani the pandemonium lord
359369 | Zig:19   | Killed Qagay the pandemonium lord
359369 | Zig:19   | Killed Ibobluam the pandemonium lord
359370 | Zig:19   | Killed Umuesac the pandemonium lord
359370 | Zig:19   | Killed Wiakhlonk the pandemonium lord
359370 | Zig:19   | Noticed Yrow the pandemonium lord
359370 | Zig:19   | Noticed Oresm the pandemonium lord
359371 | Zig:19   | Noticed Herute the pandemonium lord
359371 | Zig:19   | Noticed Beyxyd the pandemonium lord
359371 | Zig:19   | Noticed Qaroxy the pandemonium lord
359371 | Zig:19   | Noticed Coprer the pandemonium lord
359371 | Zig:19   | Noticed Qauxaxir the pandemonium lord
359371 | Zig:19   | Noticed Mutossou the pandemonium lord
359372 | Zig:19   | Noticed Cimanapag the pandemonium lord
359372 | Zig:19   | Noticed Arahatzi the pandemonium lord
359373 | Zig:19   | Killed Jahisusch the pandemonium lord
359373 | Zig:19   | Killed Herute the pandemonium lord
359373 | Zig:19   | Noticed Qipavo the pandemonium lord
359373 | Zig:19   | Noticed Joeqodusu the pandemonium lord
359373 | Zig:19   | Noticed Roufak the pandemonium lord
359373 | Zig:19   | Noticed Essieschu the pandemonium lord
359373 | Zig:19   | Noticed Niar the pandemonium lord
359374 | Zig:19   | Killed Yrow the pandemonium lord
359374 | Zig:19   | Killed Essieschu the pandemonium lord
359374 | Zig:19   | Killed Beyxyd the pandemonium lord
359374 | Zig:19   | Killed Cimanapag the pandemonium lord
359374 | Zig:19   | Noticed Esmyakk the pandemonium lord
359375 | Zig:19   | Noticed Egoockiy the pandemonium lord
359375 | Zig:19   | Killed Oresm the pandemonium lord
359375 | Zig:19   | Killed Mutossou the pandemonium lord
359376 | Zig:19   | Killed Roufak the pandemonium lord
359376 | Zig:19   | Killed Niar the pandemonium lord
359376 | Zig:19   | Killed Joeqodusu the pandemonium lord
359376 | Zig:19   | Killed Qipavo the pandemonium lord
359376 | Zig:19   | Noticed Unwimp the pandemonium lord
359376 | Zig:19   | Noticed Kuoruirgh the pandemonium lord
359377 | Zig:19   | Killed Esmyakk the pandemonium lord
359377 | Zig:19   | Killed Egoockiy the pandemonium lord
359377 | Zig:19   | Noticed Lywniag the pandemonium lord
359377 | Zig:19   | Noticed Iteg the pandemonium lord
359377 | Zig:19   | Noticed Hetaes the pandemonium lord
359378 | Zig:19   | Noticed Owumpeaps the pandemonium lord
359378 | Zig:19   | Noticed Dipuego the pandemonium lord
359378 | Zig:19   | Noticed Sushraj the pandemonium lord
359379 | Zig:19   | Noticed Afodoisk the pandemonium lord
359379 | Zig:19   | Killed Arahatzi the pandemonium lord
359379 | Zig:19   | Killed Coprer the pandemonium lord
359379 | Zig:19   | Noticed Sasopsod the pandemonium lord
359380 | Zig:19   | Killed Dipuego the pandemonium lord
359380 | Zig:19   | Killed Unwimp the pandemonium lord
359380 | Zig:19   | Noticed Silil the pandemonium lord
359380 | Zig:19   | Killed Lywniag the pandemonium lord
359381 | Zig:19   | Noticed Qonnaur the pandemonium lord
359381 | Zig:19   | Noticed Otexiepi the pandemonium lord
359381 | Zig:19   | Noticed Dili the pandemonium lord
359381 | Zig:19   | Noticed Hiqor the pandemonium lord
359381 | Zig:19   | Noticed Hapeh the pandemonium lord
359381 | Zig:19   | Noticed Buxigyve the pandemonium lord
359381 | Zig:19   | Noticed Kojuas the pandemonium lord
359381 | Zig:19   | Noticed Zufug the pandemonium lord
359382 | Zig:19   | Killed Sushraj the pandemonium lord
359382 | Zig:19   | Killed Iteg the pandemonium lord
359382 | Zig:19   | Killed Owumpeaps the pandemonium lord
359382 | Zig:19   | Noticed Loume the pandemonium lord
359382 | Zig:19   | Noticed Kief the pandemonium lord
359382 | Zig:19   | Noticed Icif the pandemonium lord
359382 | Zig:19   | Noticed Yjaluask the pandemonium lord
359383 | Zig:19   | Killed Kief the pandemonium lord
359383 | Zig:19   | Killed Zufug the pandemonium lord
359383 | Zig:19   | Killed Dili the pandemonium lord
359383 | Zig:19   | Noticed Iczouc the pandemonium lord
359384 | Zig:19   | Killed Buxigyve the pandemonium lord
359384 | Zig:19   | Killed Kojuas the pandemonium lord
359384 | Zig:19   | Killed Silil the pandemonium lord
359384 | Zig:19   | Killed Hapeh the pandemonium lord
359384 | Zig:19   | Killed Qonnaur the pandemonium lord
359384 | Zig:19   | Killed Sasopsod the pandemonium lord
359384 | Zig:19   | Noticed Higao the pandemonium lord
359384 | Zig:19   | Noticed Gekick the pandemonium lord
359384 | Zig:19   | Noticed Eneimn the pandemonium lord
359384 | Zig:19   | Noticed Yzxiloj the pandemonium lord
359385 | Zig:19   | Killed Hetaes the pandemonium lord
359385 | Zig:19   | Killed Yjaluask the pandemonium lord
359385 | Zig:19   | Noticed Nisont the pandemonium lord
359386 | Zig:19   | Killed Hiqor the pandemonium lord
359386 | Zig:19   | Killed Yzxiloj the pandemonium lord
359386 | Zig:19   | Killed Kuoruirgh the pandemonium lord
359386 | Zig:19   | Killed Otexiepi the pandemonium lord
359386 | Zig:19   | Killed Iczouc the pandemonium lord
359386 | Zig:19   | Noticed Hiupobbu the pandemonium lord
359386 | Zig:19   | Noticed Rusiogue the pandemonium lord
359386 | Zig:19   | Noticed Dohin the pandemonium lord
359387 | Zig:19   | Killed Gekick the pandemonium lord
359387 | Zig:19   | Noticed Heixkeoh the pandemonium lord
359388 | Zig:19   | Killed Hiupobbu the pandemonium lord
359388 | Zig:19   | Killed Icif the pandemonium lord
359388 | Zig:19   | Killed Afodoisk the pandemonium lord
359388 | Zig:19   | Killed Higao the pandemonium lord
359388 | Zig:19   | Noticed Giriarcho the pandemonium lord
359389 | Zig:19   | Killed Rusiogue the pandemonium lord
359389 | Zig:19   | Killed Eneimn the pandemonium lord
359389 | Zig:19   | Killed Heixkeoh the pandemonium lord
359389 | Zig:19   | Killed Nisont the pandemonium lord
359389 | Zig:19   | Killed Dohin the pandemonium lord
359389 | Zig:19   | Noticed Akliatrocyn the pandemonium lord
359390 | Zig:19   | Killed Giriarcho the pandemonium lord
359390 | Zig:19   | Noticed Sovolot the pandemonium lord
359390 | Zig:19   | Noticed Waacuegu the pandemonium lord
359391 | Zig:19   | Killed Sovolot the pandemonium lord
359391 | Zig:19   | Noticed Suvial the pandemonium lord
359391 | Zig:19   | Noticed Nejes the pandemonium lord
359391 | Zig:19   | Noticed Ziutz the pandemonium lord
359391 | Zig:19   | Killed Umeypus the pandemonium lord
359392 | Zig:19   | Noticed Ucratot the pandemonium lord
359392 | Zig:19   | Noticed Cunki the pandemonium lord
359392 | Zig:19   | Noticed Rustet the pandemonium lord
359393 | Zig:19   | Killed Loume the pandemonium lord
359393 | Zig:19   | Noticed Mastrot the pandemonium lord
359394 | Zig:19   | Killed Fanuareusm the pandemonium lord
359394 | Zig:19   | Killed Waacuegu the pandemonium lord
359394 | Zig:19   | Noticed Haschacef the pandemonium lord
359394 | Zig:19   | Killed Ruph the pandemonium lord
359395 | Zig:19   | Killed Ucratot the pandemonium lord
359395 | Zig:19   | Killed Cunki the pandemonium lord
359395 | Zig:19   | Killed Mastrot the pandemonium lord
359395 | Zig:19   | Noticed Ytrorusk the pandemonium lord
359395 | Zig:19   | Noticed Amecw the pandemonium lord
359395 | Zig:19   | Noticed Muxtejue the pandemonium lord
359396 | Zig:19   | Killed Amecw the pandemonium lord
359396 | Zig:19   | Noticed Omiafik the pandemonium lord
359396 | Zig:19   | Noticed Deedab the pandemonium lord
359397 | Zig:19   | Noticed Kestehacw the pandemonium lord
359397 | Zig:19   | Killed Ziutz the pandemonium lord
359397 | Zig:19   | Killed Suvial the pandemonium lord
359397 | Zig:19   | Noticed Emutoz the pandemonium lord
359397 | Zig:19   | Noticed Meoc the pandemonium lord
359397 | Zig:19   | Noticed Misetiph the pandemonium lord
359397 | Zig:19   | Noticed Wuotiypp the pandemonium lord
359397 | Zig:19   | Noticed Jigopnam the pandemonium lord
359397 | Zig:19   | Killed Deedab the pandemonium lord
359398 | Zig:19   | Noticed Diusiu the pandemonium lord
359398 | Zig:19   | Noticed Toizack the pandemonium lord
359399 | Zig:19   | Killed Wuotiypp the pandemonium lord
359399 | Zig:19   | Killed Ufutz the pandemonium lord
359399 | Zig:19   | Noticed Xexaysk the pandemonium lord
359400 | Zig:19   | Killed Rustet the pandemonium lord
359400 | Zig:19   | Killed Misetiph the pandemonium lord
359400 | Zig:19   | Killed Jigopnam the pandemonium lord
359400 | Zig:19   | Killed Kestehacw the pandemonium lord
359400 | Zig:19   | Killed Meoc the pandemonium lord
359400 | Zig:19   | Killed Haschacef the pandemonium lord
359400 | Zig:19   | Noticed Ylown the pandemonium lord
359401 | Zig:19   | Noticed Cetis the pandemonium lord
359401 | Zig:19   | Noticed Roewkuud the pandemonium lord
359401 | Zig:19   | Noticed Sinunih the pandemonium lord
359401 | Zig:19   | Killed Ytrorusk the pandemonium lord
359401 | Zig:19   | Killed Emutoz the pandemonium lord
359401 | Zig:19   | Killed Qaroxy the pandemonium lord
359401 | Zig:19   | Noticed Rahaost the pandemonium lord
359402 | Zig:19   | Noticed Lekaat the pandemonium lord
359403 | Zig:19   | Killed Cetis the pandemonium lord
359403 | Zig:19   | Killed Toizack the pandemonium lord
359403 | Zig:19   | Killed Xoafeis the pandemonium lord
359403 | Zig:19   | Noticed Ylean the pandemonium lord
359403 | Zig:19   | Killed Iczuts the pandemonium lord
359403 | Zig:19   | Killed Nejes the pandemonium lord
359404 | Zig:19   | Killed Rahaost the pandemonium lord
359404 | Zig:19   | Killed Roewkuud the pandemonium lord
359404 | Zig:19   | Killed Lekaat the pandemonium lord
359405 | Zig:19   | Killed Diusiu the pandemonium lord
359405 | Zig:19   | Killed Ylown the pandemonium lord
359405 | Zig:19   | Killed Muxtejue the pandemonium lord
359405 | Zig:19   | Killed Qauxaxir the pandemonium lord
359405 | Zig:19   | Killed Qevil the pandemonium lord
359405 | Zig:19   | Noticed Azudokh the pandemonium lord
359405 | Zig:19   | Noticed Neret the pandemonium lord
359406 | Zig:19   | Noticed Wiluthro the pandemonium lord
359408 | Zig:19   | Killed Wiluthro the pandemonium lord
359408 | Zig:19   | Killed Ylean the pandemonium lord
359408 | Zig:19   | Killed Azudokh the pandemonium lord
359408 | Zig:19   | Noticed Cyimak the pandemonium lord
359408 | Zig:19   | Noticed Plog the pandemonium lord
359409 | Zig:19   | Killed Cyimak the pandemonium lord
359409 | Zig:19   | Noticed Luhamuna the pandemonium lord
359409 | Zig:19   | Noticed Olynlaufa the pandemonium lord
359409 | Zig:19   | Noticed Obloc the pandemonium lord
359410 | Zig:19   | Killed Obloc the pandemonium lord
359410 | Zig:19   | Noticed Ycrunuzi the pandemonium lord
359411 | Zig:19   | Noticed Soiq the pandemonium lord
359413 | Zig:19   | Noticed Pianymat the pandemonium lord
359413 | Zig:19   | Killed Soiq the pandemonium lord
359413 | Zig:19   | Killed Pianymat the pandemonium lord
359413 | Zig:19   | Killed Ycrunuzi the pandemonium lord
359413 | Zig:19   | Noticed Ganunyjo the pandemonium lord
359414 | Zig:19   | Noticed Javuf the pandemonium lord
359414 | Zig:19   | Killed Javuf the pandemonium lord
359414 | Zig:19   | Killed Luhamuna the pandemonium lord
359414 | Zig:19   | Killed Efal the pandemonium lord
359414 | Zig:19   | Killed Cunor the pandemonium lord
359415 | Zig:19   | Noticed Igraiboq the pandemonium lord
359416 | Zig:19   | Noticed Tines the pandemonium lord
359416 | Zig:19   | Noticed Gyss the pandemonium lord
359416 | Zig:19   | Noticed Entorisch the pandemonium lord
359416 | Zig:19   | Killed Ganunyjo the pandemonium lord
359416 | Zig:19   | Noticed Ynkamuan the pandemonium lord
359417 | Zig:19   | Killed Akliatrocyn the pandemonium lord
359417 | Zig:19   | Killed Omiafik the pandemonium lord
359417 | Zig:19   | Killed Plog the pandemonium lord
359417 | Zig:19   | Killed Sinunih the pandemonium lord
359417 | Zig:19   | Killed Xexaysk the pandemonium lord
359417 | Zig:19   | Noticed Jeperets the pandemonium lord
359418 | Zig:19   | Killed Neret the pandemonium lord
359419 | Zig:19   | Killed Ynkamuan the pandemonium lord
359419 | Zig:19   | Killed Entorisch the pandemonium lord
359419 | Zig:19   | Killed Igraiboq the pandemonium lord
359419 | Zig:19   | Noticed Xyalap the pandemonium lord
359419 | Zig:19   | Noticed Heubry the pandemonium lord
359419 | Zig:19   | Noticed Boaqyu the pandemonium lord
359420 | Zig:19   | Killed Pixziss the pandemonium lord
359420 | Zig:19   | Killed Jeperets the pandemonium lord
359421 | Zig:19   | Killed Olynlaufa the pandemonium lord
359421 | Zig:19   | Killed Boaqyu the pandemonium lord
359422 | Zig:19   | Noticed Etoy the pandemonium lord
359422 | Zig:19   | Noticed Kooreb the pandemonium lord
359422 | Zig:19   | Noticed Jeyff the pandemonium lord
359422 | Zig:19   | Noticed Sella the pandemonium lord
359422 | Zig:19   | Noticed Jiziep the pandemonium lord
359423 | Zig:19   | Noticed Fint the pandemonium lord
359423 | Zig:19   | Noticed Xeletixe the pandemonium lord
359423 | Zig:19   | Killed Tines the pandemonium lord
359423 | Zig:19   | Noticed Jikhofal the pandemonium lord
359424 | Zig:19   | Killed Heubry the pandemonium lord
359424 | Zig:19   | Killed Xyalap the pandemonium lord
359424 | Zig:19   | Killed Etoy the pandemonium lord
359424 | Zig:19   | Killed Sella the pandemonium lord
359424 | Zig:19   | Noticed Maexuog the pandemonium lord
359424 | Zig:19   | Noticed Ockoquol the pandemonium lord
359425 | Zig:19   | Noticed Idanlac the pandemonium lord
359425 | Zig:19   | Killed Fint the pandemonium lord
359426 | Zig:19   | Noticed Waimnob the pandemonium lord
359426 | Zig:19   | Killed Kooreb the pandemonium lord
359426 | Zig:19   | Killed Jiziep the pandemonium lord
359426 | Zig:19   | Noticed Meevvyaw the pandemonium lord
359427 | Zig:19   | Noticed Efioh the pandemonium lord
359427 | Zig:19   | Killed Gyss the pandemonium lord
359427 | Zig:19   | Killed Jikhofal the pandemonium lord
359427 | Zig:19   | Killed Waimnob the pandemonium lord
359427 | Zig:19   | Killed Idanlac the pandemonium lord
359427 | Zig:19   | Killed Efioh the pandemonium lord
359427 | Zig:19   | Killed Ockoquol the pandemonium lord
359427 | Zig:19   | Noticed Nineb the pandemonium lord
359427 | Zig:19   | Noticed Tajour the pandemonium lord
359427 | Zig:19   | Noticed Caintidgh the pandemonium lord
359428 | Zig:19   | Noticed Noull the pandemonium lord
359428 | Zig:19   | Noticed Wienk the pandemonium lord
359428 | Zig:19   | Noticed Regoro the pandemonium lord
359429 | Zig:19   | Killed Nineb the pandemonium lord
359429 | Zig:19   | Killed Tajour the pandemonium lord
359429 | Zig:19   | Killed Regoro the pandemonium lord
359429 | Zig:19   | Noticed Basex the pandemonium lord
359429 | Zig:19   | Noticed Ysousefru the pandemonium lord
359430 | Zig:19   | Noticed Nijurgh the pandemonium lord
359430 | Zig:19   | Killed Febeloc the pandemonium lord
359430 | Zig:19   | Killed Maexuog the pandemonium lord
359431 | Zig:19   | Killed Ysousefru the pandemonium lord
359432 | Zig:19   | Noticed Quky the pandemonium lord
359432 | Zig:19   | Noticed Xaziceru the pandemonium lord
359433 | Zig:19   | Killed Xeletixe the pandemonium lord
359433 | Zig:19   | Killed Meevvyaw the pandemonium lord
359433 | Zig:19   | Killed Caintidgh the pandemonium lord
359433 | Zig:19   | Killed Nijurgh the pandemonium lord
359433 | Zig:19   | Noticed Jauzerph the pandemonium lord
359434 | Zig:19   | Killed Jeyff the pandemonium lord
359434 | Zig:19   | Killed Quky the pandemonium lord
359434 | Zig:19   | Killed Noull the pandemonium lord
359434 | Zig:19   | Killed Basex the pandemonium lord
359434 | Zig:19   | Killed Wienk the pandemonium lord
359434 | Zig:19   | Noticed Cuapnix the pandemonium lord
359434 | Zig:19   | Killed Jauzerph the pandemonium lord
359434 | Zig:19   | Noticed Qeheu the pandemonium lord
359435 | Zig:19   | Noticed Heboan the pandemonium lord
359435 | Zig:19   | Killed Cuapnix the pandemonium lord
359435 | Zig:19   | Noticed Ywufeal the pandemonium lord
359435 | Zig:19   | Noticed Upryjuja the pandemonium lord
359436 | Zig:19   | Noticed Sayng the pandemonium lord
359436 | Zig:19   | Noticed Mirawiwo the pandemonium lord
359436 | Zig:19   | Noticed Ojiwoheg the pandemonium lord
359436 | Zig:19   | Noticed Qoqufru the pandemonium lord
359436 | Zig:19   | Killed Xaziceru the pandemonium lord
359436 | Zig:19   | Noticed Hicwib the pandemonium lord
359436 | Zig:19   | Noticed Tacy the pandemonium lord
359437 | Zig:19   | Noticed Uliy the pandemonium lord
359437 | Zig:19   | Noticed Jicanood the pandemonium lord
359437 | Zig:19   | Noticed Foraag the pandemonium lord
359437 | Zig:19   | Noticed Vopt the pandemonium lord
359438 | Zig:19   | Killed Sayng the pandemonium lord
359438 | Zig:19   | Killed Qeheu the pandemonium lord
359438 | Zig:19   | Noticed Qaolist the pandemonium lord
359439 | Zig:19   | Noticed Taerrad the pandemonium lord
359439 | Zig:19   | Killed Tacy the pandemonium lord
359439 | Zig:19   | Killed Heboan the pandemonium lord
359439 | Zig:19   | Killed Ywufeal the pandemonium lord
359439 | Zig:19   | Noticed Caheshre the pandemonium lord
359440 | Zig:19   | Killed Upryjuja the pandemonium lord
359440 | Zig:19   | Killed Hicwib the pandemonium lord
359440 | Zig:19   | Killed Ojiwoheg the pandemonium lord
359440 | Zig:19   | Killed Jicanood the pandemonium lord
359440 | Zig:19   | Killed Vopt the pandemonium lord
359440 | Zig:19   | Killed Uliy the pandemonium lord
359440 | Zig:19   | Killed Taerrad the pandemonium lord
359441 | Zig:19   | Killed Qoqufru the pandemonium lord
359441 | Zig:19   | Noticed Giurhann the pandemonium lord
359441 | Zig:19   | Noticed Bevvofuu the pandemonium lord
359443 | Zig:19   | Killed Mirawiwo the pandemonium lord
359443 | Zig:19   | Noticed Dacuzauwk the pandemonium lord
359443 | Zig:19   | Noticed Witipyp the pandemonium lord
359443 | Zig:19   | Noticed Baant the pandemonium lord
359443 | Zig:19   | Noticed Qugaafax the pandemonium lord
359444 | Zig:19   | Killed Giurhann the pandemonium lord
359444 | Zig:19   | Killed Qugaafax the pandemonium lord
359444 | Zig:19   | Killed Foraag the pandemonium lord
359444 | Zig:19   | Killed Caheshre the pandemonium lord
359444 | Zig:19   | Killed Dacuzauwk the pandemonium lord
359444 | Zig:19   | Killed Witipyp the pandemonium lord
359444 | Zig:19   | Noticed Olefetint the pandemonium lord
359444 | Zig:19   | Noticed Vinujo the pandemonium lord
359445 | Zig:19   | Killed Baant the pandemonium lord
359445 | Zig:19   | Killed Bevvofuu the pandemonium lord
359445 | Zig:19   | Killed Olefetint the pandemonium lord
359445 | Zig:19   | Noticed Zokk the pandemonium lord
359446 | Zig:19   | Noticed Atrel the pandemonium lord
359446 | Zig:19   | Noticed Eghosk the pandemonium lord
359446 | Zig:19   | Noticed Xyighoir the pandemonium lord
359446 | Zig:19   | Noticed Tienesod the pandemonium lord
359446 | Zig:19   | Noticed Xaif the pandemonium lord
359447 | Zig:19   | Killed Tienesod the pandemonium lord
359447 | Zig:19   | Killed Zokk the pandemonium lord
359447 | Zig:19   | Noticed Feacet the pandemonium lord
359447 | Zig:19   | Noticed Tofisah the pandemonium lord
359448 | Zig:19   | Killed Atrel the pandemonium lord
359448 | Zig:19   | Killed Vinujo the pandemonium lord
359448 | Zig:19   | Killed Weobad the pandemonium lord
359449 | Zig:19   | Killed Xyighoir the pandemonium lord
359449 | Zig:19   | Killed Eghosk the pandemonium lord
359449 | Zig:19   | Killed Feacet the pandemonium lord
359449 | Zig:19   | Killed Xaif the pandemonium lord
359449 | Zig:19   | Noticed Buett the pandemonium lord
359450 | Zig:19   | Killed Qaolist the pandemonium lord
359452 | Zig:19   | Killed Tofisah the pandemonium lord
359453 | Zig:19   | Noticed Reothuat the pandemonium lord
359454 | Zig:19   | Noticed Pifaojea the pandemonium lord
359454 | Zig:19   | Noticed Naeffel the pandemonium lord
359455 | Zig:19   | Killed Buett the pandemonium lord
359456 | Zig:19   | Noticed Qurche Qotha the pandemonium lord
359457 | Zig:19   | Killed Reothuat the pandemonium lord
359458 | Zig:19   | Killed Qurche Qotha the pandemonium lord
359459 | Zig:19   | Killed Naeffel the pandemonium lord
359460 | Zig:19   | Killed Pifaojea the pandemonium lord
359460 | Zig:19   | Noticed Biffix the pandemonium lord
359460 | Zig:19   | Noticed Peisme the pandemonium lord
359461 | Zig:19   | Noticed Riaw the pandemonium lord
359462 | Zig:19   | Killed Peisme the pandemonium lord
359463 | Zig:19   | Killed Riaw the pandemonium lord
359466 | Zig:19   | Killed Biffix the pandemonium lord
359486 | Zig:19   | Identified the +6 great mace of Okawaru's Displeasure
                  | {protect, rElec rPois rN++ Int-5}
359497 | Zig:19   | Identified the staff "Icaffist" {rC+ rN+ Necro}
359928 | Zig:19   | Identified the ring "Jyageng" {Str+2 Int+6}
359945 | Zig:19   | Identified the ring of Haimmow {+Blink rF+ Str+6 Int-5
                  | Slay+2}
359952 | Zig:19   | Identified the +4 hand axe of the Hall of Blades {flame,
                  | rN+ Will- rCorr Int+2}
359960 | Zig:19   | Identified the staff "Nunush" {rF+ rC+ rN+ Stlth+ Necro}
359968 | Zig:19   | Identified the staff "Jamuluti" {Fly rN+ Will+++ Dex-2
                  | Hexes Necro}
359971 | Zig:19   | Identified the staff of Balance {rC+ Conj}
359978 | Zig:19   | Identified the +3 chain mail "Pip Huh" {+Inv rC+++ rN+
                  | Dex-5}
359986 | Zig:19   | Identified the amulet "Soneuv" {Reflect rN+ Will+ Int-3
                  | SH+5}
359988 | Zig:19   | Identified the +0 chain mail of Noxious Music {rElec rN+
                  | SInv}
359990 | Zig:19   | Identified the ring "Adainudgh" {rPois Dex+2}
360005 | Zig:19   | Identified the +3 ring mail "Zouremeh" {Dex+3}
360023 | Zig:20   | Entered Level 20 of a ziggurat
360023 | Zig:20   | Noticed a juggernaut
360023 | Zig:20   | Noticed a juggernaut
360023 | Zig:20   | Noticed a juggernaut
360023 | Zig:20   | Noticed a juggernaut
360023 | Zig:20   | Noticed a juggernaut
360023 | Zig:20   | Noticed a juggernaut
360023 | Zig:20   | Noticed a juggernaut
360023 | Zig:20   | Noticed a juggernaut
360023 | Zig:20   | Noticed a juggernaut
360023 | Zig:20   | Noticed a juggernaut
360023 | Zig:20   | Noticed a juggernaut
360024 | Zig:20   | Killed a juggernaut
360024 | Zig:20   | Killed a juggernaut
360024 | Zig:20   | Killed a juggernaut
360025 | Zig:20   | Killed a juggernaut
360025 | Zig:20   | Killed a juggernaut
360025 | Zig:20   | Killed a juggernaut
360025 | Zig:20   | Killed a juggernaut
360025 | Zig:20   | Killed a juggernaut
360025 | Zig:20   | Killed a juggernaut
360025 | Zig:20   | Killed a juggernaut
360025 | Zig:20   | Noticed a juggernaut
360026 | Zig:20   | Noticed a juggernaut
360027 | Zig:20   | Killed a juggernaut
360027 | Zig:20   | Noticed a juggernaut
360027 | Zig:20   | Noticed a juggernaut
360028 | Zig:20   | Noticed a juggernaut
360029 | Zig:20   | Killed a juggernaut
360029 | Zig:20   | Killed a juggernaut
360029 | Zig:20   | Noticed a juggernaut
360030 | Zig:20   | Noticed a juggernaut
360030 | Zig:20   | Noticed a juggernaut
360031 | Zig:20   | Killed a juggernaut
360031 | Zig:20   | Killed a juggernaut
360032 | Zig:20   | Noticed a juggernaut
360032 | Zig:20   | Noticed a juggernaut
360032 | Zig:20   | Noticed a juggernaut
360032 | Zig:20   | Noticed a juggernaut
360033 | Zig:20   | Killed a juggernaut
360033 | Zig:20   | Noticed a juggernaut
360033 | Zig:20   | Killed a juggernaut
360033 | Zig:20   | Noticed a juggernaut
360033 | Zig:20   | Killed a juggernaut
360033 | Zig:20   | Noticed a juggernaut
360034 | Zig:20   | Noticed a juggernaut
360034 | Zig:20   | Noticed a juggernaut
360034 | Zig:20   | Noticed a juggernaut
360035 | Zig:20   | Killed a juggernaut
360035 | Zig:20   | Killed a juggernaut
360035 | Zig:20   | Killed a juggernaut
360035 | Zig:20   | Killed a juggernaut
360035 | Zig:20   | Noticed a juggernaut
360035 | Zig:20   | Noticed a juggernaut
360036 | Zig:20   | Noticed a juggernaut
360036 | Zig:20   | Noticed a juggernaut
360037 | Zig:20   | Killed a juggernaut
360037 | Zig:20   | Killed a juggernaut
360037 | Zig:20   | Killed a juggernaut
360037 | Zig:20   | Killed a juggernaut
360037 | Zig:20   | Killed a juggernaut
360037 | Zig:20   | Noticed a juggernaut
360037 | Zig:20   | Noticed a juggernaut
360038 | Zig:20   | Noticed a juggernaut
360039 | Zig:20   | Noticed a juggernaut
360039 | Zig:20   | Killed a juggernaut
360039 | Zig:20   | Killed a juggernaut
360039 | Zig:20   | Killed a juggernaut
360039 | Zig:20   | Killed a juggernaut
360039 | Zig:20   | Killed a juggernaut
360039 | Zig:20   | Killed a juggernaut
360039 | Zig:20   | Noticed a juggernaut
360039 | Zig:20   | Noticed a juggernaut
360039 | Zig:20   | Noticed a juggernaut
360040 | Zig:20   | Noticed a juggernaut
360040 | Zig:20   | Noticed a juggernaut
360040 | Zig:20   | Noticed a juggernaut
360041 | Zig:20   | Killed a juggernaut
360041 | Zig:20   | Killed a juggernaut
360041 | Zig:20   | Killed a juggernaut
360041 | Zig:20   | Killed a juggernaut
360041 | Zig:20   | Killed a juggernaut
360041 | Zig:20   | Noticed a juggernaut
360041 | Zig:20   | Noticed a juggernaut
360041 | Zig:20   | Noticed a juggernaut
360042 | Zig:20   | Noticed a juggernaut
360042 | Zig:20   | Noticed a juggernaut
360042 | Zig:20   | Noticed a juggernaut
360042 | Zig:20   | Killed a juggernaut
360042 | Zig:20   | Noticed a juggernaut
360042 | Zig:20   | Noticed a juggernaut
360043 | Zig:20   | Killed a juggernaut
360043 | Zig:20   | Killed a juggernaut
360043 | Zig:20   | Killed a juggernaut
360043 | Zig:20   | Killed a juggernaut
360043 | Zig:20   | Killed a juggernaut
360043 | Zig:20   | Killed a juggernaut
360043 | Zig:20   | Noticed a juggernaut
360043 | Zig:20   | Noticed a juggernaut
360043 | Zig:20   | Noticed a juggernaut
360043 | Zig:20   | Noticed a juggernaut
360043 | Zig:20   | Noticed a juggernaut
360044 | Zig:20   | Noticed a juggernaut
360044 | Zig:20   | Noticed a juggernaut
360044 | Zig:20   | Noticed a juggernaut
360045 | Zig:20   | Killed a juggernaut
360045 | Zig:20   | Killed a juggernaut
360045 | Zig:20   | Killed a juggernaut
360045 | Zig:20   | Killed a juggernaut
360046 | Zig:20   | Noticed a juggernaut
360046 | Zig:20   | Noticed a juggernaut
360046 | Zig:20   | Noticed a juggernaut
360046 | Zig:20   | Noticed a juggernaut
360046 | Zig:20   | Noticed a juggernaut
360046 | Zig:20   | Noticed a juggernaut
360046 | Zig:20   | Noticed a juggernaut
360046 | Zig:20   | Noticed a juggernaut
360047 | Zig:20   | Killed a juggernaut
360047 | Zig:20   | Killed a juggernaut
360047 | Zig:20   | Killed a juggernaut
360047 | Zig:20   | Killed a juggernaut
360047 | Zig:20   | Killed a juggernaut
360047 | Zig:20   | Killed a juggernaut
360047 | Zig:20   | Killed a juggernaut
360047 | Zig:20   | Killed a juggernaut
360047 | Zig:20   | Killed a juggernaut
360047 | Zig:20   | Killed a juggernaut
360047 | Zig:20   | Killed a juggernaut
360047 | Zig:20   | Killed a juggernaut
360047 | Zig:20   | Killed a juggernaut
360048 | Zig:20   | Noticed a juggernaut
360048 | Zig:20   | Noticed a juggernaut
360048 | Zig:20   | Noticed a juggernaut
360048 | Zig:20   | Killed a juggernaut
360049 | Zig:20   | Noticed a juggernaut
360049 | Zig:20   | Killed a juggernaut
360049 | Zig:20   | Killed a juggernaut
360049 | Zig:20   | Killed a juggernaut
360049 | Zig:20   | Killed a juggernaut
360050 | Zig:20   | Noticed a juggernaut
360051 | Zig:20   | Killed a juggernaut
360051 | Zig:20   | Killed a juggernaut
360051 | Zig:20   | Killed a juggernaut
360051 | Zig:20   | Noticed a juggernaut
360052 | Zig:20   | Noticed a juggernaut
360052 | Zig:20   | Noticed a juggernaut
360053 | Zig:20   | Killed a juggernaut
360053 | Zig:20   | Killed a juggernaut
360053 | Zig:20   | Killed a juggernaut
360053 | Zig:20   | Noticed a juggernaut
360053 | Zig:20   | Noticed a juggernaut
360054 | Zig:20   | Noticed a juggernaut
360054 | Zig:20   | Noticed a juggernaut
360055 | Zig:20   | Killed a juggernaut
360055 | Zig:20   | Killed a juggernaut
360055 | Zig:20   | Killed a juggernaut
360055 | Zig:20   | Noticed a juggernaut
360056 | Zig:20   | Noticed a juggernaut
360056 | Zig:20   | Killed a juggernaut
360057 | Zig:20   | Killed a juggernaut
360057 | Zig:20   | Killed a juggernaut
360059 | Zig:20   | Killed a juggernaut
360059 | Zig:20   | Killed a juggernaut
360099 | Zig:20   | Identified the +1 eudemon blade of Malum In Se {holy,
                  | ^Contam Fly rPois Int+3}
360103 | Zig:20   | Identified the +1 hat of Feasting {rCorr Dex+2}
360104 | Zig:20   | Identified the +8 plate armour "Wuku" {Rampage rC+ Int-4}
360762 | Zig:20   | Identified the ring "Etuepae" {rCorr Dex+2 Stlth+}
360811 | Zig:20   | Identified the +2 triple crossbow of Dung {freeze, rElec
                  | Int+3}
360819 | Zig:20   | Identified the staff of Flawed Execution {*Corrode rElec
                  | rN+++ Ice Air Earth}
360822 | Zig:20   | Identified the +9 plate armour "Suenyif" {rElec rPois rF-}
360828 | Zig:20   | Identified the +6 broad axe "Huahesh" {drain, rF++}
360835 | Zig:20   | Identified the +10 longbow of the Establishment {speed,
                  | rElec Stlth+}
360839 | Zig:20   | Identified the +0 scale mail "Azutz" {Str+3}
360865 | Zig:20   | Identified the +5 great sword of Evil {chaos, *Rage rElec
                  | rN+}
360868 | Zig:20   | Identified the +0 ring mail "Vodghoe" {rCorr Int-3 Dex+2}
360884 | Zig:21   | Entered Level 21 of a ziggurat
360958 | Zig:21   | Identified the staff of Unpleasantness {+Blink rElec rCorr
                  | Air}
360979 | Zig:21   | Identified the staff "Yrghiash" {^Contam rElec rPois rC-
                  | Int+6 Alchemy}
360982 | Zig:21   | Identified the +7 flail of Fortitude {pain, Int+6}
360984 | Zig:21   | Identified the staff of Inflation {Will+ Conj Alchemy}
360990 | Zig:21   | Identified the staff of Pain and Death {rPois rC++ rN+
                  | Alchemy}
361009 | Zig:21   | Identified the staff "Borok" {Conj Earth}
361012 | Zig:21   | Identified the +1 cloak of the Centaur {Harm Will- Regen+
                  | Slay-3}
361018 | Zig:21   | Identified the +7 flail of Obbon {heavy, rCorr}
361732 | Zig:22   | Entered Level 22 of a ziggurat
361732 | Zig:22   | Noticed a dread lich
361732 | Zig:22   | Noticed a dread lich
361732 | Zig:22   | Noticed a dread lich
361732 | Zig:22   | Noticed a dread lich
361732 | Zig:22   | Noticed an ancient lich
361732 | Zig:22   | Noticed a dread lich
361732 | Zig:22   | Noticed an ancient lich
361732 | Zig:22   | Noticed an ancient lich
361732 | Zig:22   | Noticed an ancient lich
361732 | Zig:22   | Noticed a dread lich
361732 | Zig:22   | Noticed an ancient lich
361732 | Zig:22   | Noticed an ancient lich
361732 | Zig:22   | Noticed an ancient lich
361732 | Zig:22   | Noticed a dread lich
361732 | Zig:22   | Noticed a dread lich
361732 | Zig:22   | Noticed an ancient lich
361732 | Zig:22   | Noticed an ancient lich
361732 | Zig:22   | Noticed a dread lich
361732 | Zig:22   | Noticed an ancient lich
361732 | Zig:22   | Noticed an ancient lich
361732 | Zig:22   | Noticed a dread lich
361732 | Zig:22   | Noticed an ancient lich
361732 | Zig:22   | Noticed a dread lich
361732 | Zig:22   | Noticed an ancient lich
361732 | Zig:22   | Noticed an ancient lich
361732 | Zig:22   | Noticed a dread lich
361732 | Zig:22   | Noticed a dread lich
361732 | Zig:22   | Noticed a dread lich
361733 | Zig:22   | Killed a dread lich
361733 | Zig:22   | Killed a dread lich
361733 | Zig:22   | Killed a dread lich
361733 | Zig:22   | Killed an ancient lich
361733 | Zig:22   | Killed a dread lich
361733 | Zig:22   | Killed a dread lich
361733 | Zig:22   | Killed a dread lich
361733 | Zig:22   | Killed a dread lich
361733 | Zig:22   | Killed a dread lich
361733 | Zig:22   | Killed an ancient lich
361734 | Zig:22   | Killed an ancient lich
361734 | Zig:22   | Killed an ancient lich
361734 | Zig:22   | Killed a dread lich
361734 | Zig:22   | Killed a dread lich
361734 | Zig:22   | Killed an ancient lich
361734 | Zig:22   | Killed an ancient lich
361734 | Zig:22   | Killed an ancient lich
361734 | Zig:22   | Killed a dread lich
361734 | Zig:22   | Killed an ancient lich
361734 | Zig:22   | Killed an ancient lich
361734 | Zig:22   | Killed a dread lich
361734 | Zig:22   | Killed an ancient lich
361734 | Zig:22   | Killed an ancient lich
361734 | Zig:22   | Killed an ancient lich
361734 | Zig:22   | Killed an ancient lich
361734 | Zig:22   | Killed a dread lich
361734 | Zig:22   | Killed a dread lich
361734 | Zig:22   | Noticed an ancient lich
361734 | Zig:22   | Noticed a dread lich
361734 | Zig:22   | Noticed an ancient lich
361734 | Zig:22   | Noticed a dread lich
361735 | Zig:22   | Killed an ancient lich
361735 | Zig:22   | Killed a dread lich
361735 | Zig:22   | Killed an ancient lich
361735 | Zig:22   | Noticed a dread lich
361737 | Zig:22   | Noticed an ancient lich
361737 | Zig:22   | Noticed an ancient lich
361737 | Zig:22   | Noticed a dread lich
361738 | Zig:22   | Killed a dread lich
361738 | Zig:22   | Killed a dread lich
361738 | Zig:22   | Killed an ancient lich
361738 | Zig:22   | Killed an ancient lich
361738 | Zig:22   | Noticed an ancient lich
361739 | Zig:22   | Noticed a dread lich
361739 | Zig:22   | Noticed an ancient lich
361740 | Zig:22   | Killed a dread lich
361740 | Zig:22   | Killed an ancient lich
361740 | Zig:22   | Killed an ancient lich
361740 | Zig:22   | Noticed an ancient lich
361741 | Zig:22   | Noticed a dread lich
361741 | Zig:22   | Noticed a dread lich
361741 | Zig:22   | Killed an ancient lich
361741 | Zig:22   | Noticed an ancient lich
361741 | Zig:22   | Killed a dread lich
361741 | Zig:22   | Noticed an ancient lich
361742 | Zig:22   | Noticed an ancient lich
361742 | Zig:22   | Noticed an ancient lich
361743 | Zig:22   | Killed a dread lich
361743 | Zig:22   | Noticed an ancient lich
361743 | Zig:22   | Noticed an ancient lich
361744 | Zig:22   | Noticed a dread lich
361744 | Zig:22   | Noticed a dread lich
361744 | Zig:22   | Noticed a dread lich
361744 | Zig:22   | Killed an ancient lich
361744 | Zig:22   | Killed an ancient lich
361744 | Zig:22   | Noticed a dread lich
361745 | Zig:22   | Noticed an ancient lich
361745 | Zig:22   | Killed an ancient lich
361745 | Zig:22   | Killed an ancient lich
361745 | Zig:22   | Killed a dread lich
361745 | Zig:22   | Killed an ancient lich
361745 | Zig:22   | Killed a dread lich
361745 | Zig:22   | Killed an ancient lich
361746 | Zig:22   | Killed an ancient lich
361746 | Zig:22   | Killed a dread lich
361746 | Zig:22   | Killed a dread lich
361746 | Zig:22   | Killed a dread lich
361746 | Zig:22   | Noticed an ancient lich
361746 | Zig:22   | Noticed an ancient lich
361746 | Zig:22   | Noticed an ancient lich
361747 | Zig:22   | Noticed an ancient lich
361747 | Zig:22   | Noticed an ancient lich
361747 | Zig:22   | Noticed an ancient lich
361747 | Zig:22   | Noticed a dread lich
361747 | Zig:22   | Noticed a dread lich
361747 | Zig:22   | Noticed an ancient lich
361747 | Zig:22   | Noticed an ancient lich
361748 | Zig:22   | Killed an ancient lich
361748 | Zig:22   | Killed an ancient lich
361748 | Zig:22   | Killed an ancient lich
361748 | Zig:22   | Killed an ancient lich
361748 | Zig:22   | Killed an ancient lich
361748 | Zig:22   | Killed an ancient lich
361749 | Zig:22   | Noticed an ancient lich
361749 | Zig:22   | Noticed an ancient lich
361749 | Zig:22   | Noticed a dread lich
361749 | Zig:22   | Noticed an ancient lich
361749 | Zig:22   | Noticed a dread lich
361749 | Zig:22   | Noticed an ancient lich
361749 | Zig:22   | Noticed an ancient lich
361750 | Zig:22   | Killed a dread lich
361750 | Zig:22   | Killed an ancient lich
361750 | Zig:22   | Killed an ancient lich
361750 | Zig:22   | Killed a dread lich
361750 | Zig:22   | Killed an ancient lich
361750 | Zig:22   | Killed an ancient lich
361750 | Zig:22   | Killed a dread lich
361750 | Zig:22   | Noticed a dread lich
361750 | Zig:22   | Noticed an ancient lich
361750 | Zig:22   | Noticed a dread lich
361750 | Zig:22   | Killed a dread lich
361751 | Zig:22   | Noticed a dread lich
361751 | Zig:22   | Noticed an ancient lich
361751 | Zig:22   | Noticed an ancient lich
361751 | Zig:22   | Noticed a dread lich
361751 | Zig:22   | Noticed a dread lich
361751 | Zig:22   | Noticed an ancient lich
361751 | Zig:22   | Noticed a dread lich
361752 | Zig:22   | Killed an ancient lich
361752 | Zig:22   | Killed an ancient lich
361752 | Zig:22   | Killed a dread lich
361752 | Zig:22   | Killed an ancient lich
361752 | Zig:22   | Killed an ancient lich
361752 | Zig:22   | Killed a dread lich
361752 | Zig:22   | Killed a dread lich
361752 | Zig:22   | Killed an ancient lich
361752 | Zig:22   | Killed an ancient lich
361752 | Zig:22   | Killed an ancient lich
361752 | Zig:22   | Killed an ancient lich
361752 | Zig:22   | Noticed a dread lich
361752 | Zig:22   | Noticed an ancient lich
361752 | Zig:22   | Noticed an ancient lich
361753 | Zig:22   | Noticed a dread lich
361753 | Zig:22   | Noticed a dread lich
361753 | Zig:22   | Noticed a dread lich
361753 | Zig:22   | Noticed an ancient lich
361753 | Zig:22   | Noticed an ancient lich
361753 | Zig:22   | Noticed a dread lich
361753 | Zig:22   | Noticed a dread lich
361754 | Zig:22   | Noticed an ancient lich
361754 | Zig:22   | Noticed a dread lich
361754 | Zig:22   | Noticed an ancient lich
361754 | Zig:22   | Killed an ancient lich
361754 | Zig:22   | Killed a dread lich
361754 | Zig:22   | Killed a dread lich
361754 | Zig:22   | Killed a dread lich
361754 | Zig:22   | Killed a dread lich
361754 | Zig:22   | Killed a dread lich
361754 | Zig:22   | Killed a dread lich
361754 | Zig:22   | Killed an ancient lich
361754 | Zig:22   | Killed an ancient lich
361755 | Zig:22   | Noticed a dread lich
361755 | Zig:22   | Noticed an ancient lich
361755 | Zig:22   | Noticed an ancient lich
361755 | Zig:22   | Noticed a dread lich
361755 | Zig:22   | Noticed an ancient lich
361755 | Zig:22   | Noticed an ancient lich
361755 | Zig:22   | Noticed a dread lich
361755 | Zig:22   | Noticed a dread lich
361755 | Zig:22   | Noticed a dread lich
361756 | Zig:22   | Noticed an ancient lich
361756 | Zig:22   | Killed a dread lich
361756 | Zig:22   | Killed a dread lich
361756 | Zig:22   | Killed an ancient lich
361756 | Zig:22   | Killed a dread lich
361756 | Zig:22   | Killed an ancient lich
361756 | Zig:22   | Killed an ancient lich
361756 | Zig:22   | Killed a dread lich
361756 | Zig:22   | Killed a dread lich
361756 | Zig:22   | Killed an ancient lich
361756 | Zig:22   | Killed a dread lich
361756 | Zig:22   | Killed an ancient lich
361756 | Zig:22   | Noticed a dread lich
361756 | Zig:22   | Noticed an ancient lich
361756 | Zig:22   | Noticed an ancient lich
361757 | Zig:22   | Noticed a dread lich
361757 | Zig:22   | Noticed a dread lich
361757 | Zig:22   | Noticed an ancient lich
361757 | Zig:22   | Noticed a dread lich
361757 | Zig:22   | Noticed a dread lich
361757 | Zig:22   | Noticed an ancient lich
361758 | Zig:22   | Killed an ancient lich
361758 | Zig:22   | Killed a dread lich
361758 | Zig:22   | Killed a dread lich
361758 | Zig:22   | Killed an ancient lich
361758 | Zig:22   | Killed a dread lich
361758 | Zig:22   | Killed an ancient lich
361758 | Zig:22   | Noticed an ancient lich
361758 | Zig:22   | Noticed an ancient lich
361758 | Zig:22   | Noticed a dread lich
361758 | Zig:22   | Noticed a dread lich
361759 | Zig:22   | Noticed an ancient lich
361759 | Zig:22   | Noticed a dread lich
361759 | Zig:22   | Noticed an ancient lich
361759 | Zig:22   | Noticed an ancient lich
361759 | Zig:22   | Noticed an ancient lich
361759 | Zig:22   | Noticed a dread lich
361759 | Zig:22   | Noticed a dread lich
361759 | Zig:22   | Killed a dread lich
361759 | Zig:22   | Killed a dread lich
361760 | Zig:22   | Noticed a dread lich
361760 | Zig:22   | Noticed a dread lich
361760 | Zig:22   | Killed a dread lich
361760 | Zig:22   | Killed a dread lich
361760 | Zig:22   | Killed an ancient lich
361760 | Zig:22   | Killed an ancient lich
361760 | Zig:22   | Killed a dread lich
361760 | Zig:22   | Killed a dread lich
361760 | Zig:22   | Killed a dread lich
361760 | Zig:22   | Killed an ancient lich
361760 | Zig:22   | Killed an ancient lich
361760 | Zig:22   | Killed a dread lich
361760 | Zig:22   | Killed a dread lich
361761 | Zig:22   | Noticed an ancient lich
361761 | Zig:22   | Noticed a dread lich
361761 | Zig:22   | Noticed an ancient lich
361761 | Zig:22   | Noticed an ancient lich
361761 | Zig:22   | Noticed an ancient lich
361761 | Zig:22   | Killed an ancient lich
361762 | Zig:22   | Killed an ancient lich
361762 | Zig:22   | Killed a dread lich
361762 | Zig:22   | Killed an ancient lich
361762 | Zig:22   | Killed an ancient lich
361762 | Zig:22   | Killed an ancient lich
361762 | Zig:22   | Killed a dread lich
361762 | Zig:22   | Killed an ancient lich
361762 | Zig:22   | Killed a dread lich
361762 | Zig:22   | Killed an ancient lich
361763 | Zig:22   | Killed a dread lich
361763 | Zig:22   | Killed an ancient lich
361763 | Zig:22   | Killed an ancient lich
361763 | Zig:22   | Killed an ancient lich
361764 | Zig:22   | Noticed a dread lich
361764 | Zig:22   | Noticed a dread lich
361764 | Zig:22   | Noticed a dread lich
361764 | Zig:22   | Noticed a dread lich
361765 | Zig:22   | Killed a dread lich
361766 | Zig:22   | Noticed an ancient lich
361766 | Zig:22   | Noticed a dread lich
361767 | Zig:22   | Killed a dread lich
361767 | Zig:22   | Killed a dread lich
361767 | Zig:22   | Noticed a dread lich
361767 | Zig:22   | Noticed a dread lich
361768 | Zig:22   | Noticed an ancient lich
361768 | Zig:22   | Noticed a dread lich
361768 | Zig:22   | Noticed a dread lich
361769 | Zig:22   | Killed a dread lich
361769 | Zig:22   | Killed a dread lich
361769 | Zig:22   | Killed a dread lich
361769 | Zig:22   | Killed an ancient lich
361769 | Zig:22   | Killed an ancient lich
361769 | Zig:22   | Noticed an ancient lich
361769 | Zig:22   | Noticed a dread lich
361770 | Zig:22   | Noticed an ancient lich
361770 | Zig:22   | Noticed a dread lich
361770 | Zig:22   | Noticed an ancient lich
361770 | Zig:22   | Noticed an ancient lich
361771 | Zig:22   | Noticed a dread lich
361771 | Zig:22   | Killed a dread lich
361771 | Zig:22   | Killed a dread lich
361771 | Zig:22   | Killed a dread lich
361771 | Zig:22   | Killed an ancient lich
361771 | Zig:22   | Killed an ancient lich
361771 | Zig:22   | Killed a dread lich
361771 | Zig:22   | Killed an ancient lich
361771 | Zig:22   | Killed an ancient lich
361771 | Zig:22   | Killed a dread lich
361771 | Zig:22   | Noticed an ancient lich
361772 | Zig:22   | Noticed a dread lich
361772 | Zig:22   | Noticed an ancient lich
361772 | Zig:22   | Noticed a dread lich
361773 | Zig:22   | Killed a dread lich
361773 | Zig:22   | Killed a dread lich
361773 | Zig:22   | Noticed a dread lich
361774 | Zig:22   | Noticed an ancient lich
361774 | Zig:22   | Noticed a dread lich
361774 | Zig:22   | Noticed a dread lich
361775 | Zig:22   | Killed an ancient lich
361775 | Zig:22   | Killed a dread lich
361775 | Zig:22   | Killed an ancient lich
361775 | Zig:22   | Killed a dread lich
361776 | Zig:22   | Noticed a dread lich
361776 | Zig:22   | Killed an ancient lich
361777 | Zig:22   | Killed a dread lich
361777 | Zig:22   | Killed a dread lich
361777 | Zig:22   | Killed a dread lich
361778 | Zig:22   | Noticed an ancient lich
361778 | Zig:22   | Noticed an ancient lich
361780 | Zig:22   | Noticed a dread lich
361781 | Zig:22   | Killed an ancient lich
361781 | Zig:22   | Killed an ancient lich
361785 | Zig:22   | Killed a dread lich
361818 | Zig:22   | Identified the ring "Foiluepp" {Wiz Str-3 Slay+5}
361829 | Zig:22   | Identified the staff "Ycveas" {rPois rN+ Int-4 Dex+3 Necro
                  | Earth}
362440 | Zig:22   | Identified the +7 broad axe "Cyruply" {antimagic, *Noise
                  | Str+3 Int+3}
362520 | Zig:22   | Identified the staff of Vojen {rElec Will+ Conj Hexes}
362546 | Zig:22   | Identified the +4 shortbow of the Desert {heavy, rElec
                  | Str+4 Dex-5}
362547 | Zig:22   | Identified the staff of the Viny God {rF+ rN+ MP+9 SInv
                  | Fire Earth}
362572 | Zig:22   | Identified the amulet "Zoen" {Reflect Rampage Str+3 Int+2
                  | SH+5}
362574 | Zig:22   | Identified the +7 orcbow of Duty {drain, Int+3}
362584 | Zig:22   | Identified the +1 ring mail of Context {Stlth+}
362694 | Zig:23   | Entered Level 23 of a ziggurat
362783 | Zig:23   | Identified the +1 orcbow of Yredelemnul's Scorn {antimagic,
                  | rPois rC+ Str-3 Int+2}
362825 | Zig:23   | Identified the +8 arbalest of a Gauntlet {elec, *Slow rF+
                  | rC+ Will+}
362828 | Zig:23   | Identified the +4 chain mail of Meoxka {^Drain *Slow rN+++
                  | Regen+}
362830 | Zig:23   | Identified the +1 shortbow "Ackuc" {antimagic, rN++ Str+2}
362838 | Zig:23   | Identified the +0 robe of Zealous Amelioration {Dex+4
                  | Stlth+}
362839 | Zig:23   | Identified the ring of Desertification {rPois rN++ Will+
                  | Slay+3 Stlth+}
362848 | Zig:23   | Identified the +2 pair of gloves of Awe {Dex+6}
362851 | Zig:23   | Identified the amulet of Xom's Sleight of Hands {RegenMP
                  | rPois rC++ rCorr Int-3}
362883 | Zig:23   | Identified the +11 falchion of Floods {pain, rN++ Will+++
                  | Str-5 Stlth+}
362898 | Zig:23   | Identified the +8 sling "Soutiqoa" {drain, ^Fragile rF+
                  | Int+4}
362953 | Zig:23   | Identified the +2 robe "Pocamn" {rN+}
362955 | Zig:23   | Identified the +0 leather armour "Tiusmeh" {rPois Dex+2
                  | SInv}
363094 | Zig:23   | Identified the +1 robe of Kikubaaqudgha's Esteem {^Contam
                  | Fly rF+++}
363097 | Zig:23   | Identified the staff of Cataclysm {Fly rElec rN++ Dex-3
                  | Tloc Air}
363575 | Zig:23   | Identified the +2 eudemon blade of Nusifipp {holy, rPois
                  | rN+ Int-2}
363581 | Zig:24   | Entered Level 24 of a ziggurat
363697 | Zig:24   | Killed a starcursed mass
363697 | Zig:24   | Killed a starcursed mass
363724 | Zig:24   | Identified the +0 robe of the Vaults {rF+ rC+ Str+2}
363726 | Zig:24   | Identified the staff of Incongruity {rElec rPois rC+++
                  | Str-3 Stlth+ Air}
363730 | Zig:24   | Identified the +10 shortbow of a ziggurat {freeze, rC+
                  | Dex+5}
363737 | Zig:24   | Identified the +8 morningstar of the Shouting Scorpion
                  | {flame, rPois Int+3 Dex+4}
363738 | Zig:24   | Identified the ring of Xoemnuut {rPois Str+6 Dex+3}
363740 | Zig:24   | Identified the ring "Ixaong" {rF+ Will+}
363743 | Zig:24   | Identified the amulet of Sulaiteh {RegenMP Str+6 Dex+3
                  | Stlth-}
363747 | Zig:24   | Identified the amulet "Mamniriz" {Reflect Int+4 SH+5}
363750 | Zig:24   | Identified the ring "Sosh" {rElec rPois Str+6}
363756 | Zig:24   | Identified the +5 scale mail of Happiness {Rampage rCorr}
363765 | Zig:24   | Identified the staff of War {+Blink Int+4 SInv Conj}
364430 | Zig:24   | Identified the staff of Fear {rN+ Will+ Necro}
364523 | Zig:25   | Entered Level 25 of a ziggurat
364628 | Zig:25   | Identified the +2 long sword of Untruth {heavy, Str+3}
364654 | Zig:25   | Identified the +4 robe of Sin {rElec}
364655 | Zig:25   | Identified the +1 scale mail of Cynelivi {+Blink Will++
                  | Regen+ Slay-3}
364670 | Zig:25   | Identified the +2 pair of gloves of Hopscotch {Harm Str+2}
364671 | Zig:25   | Identified the +6 orcbow "Vulabbou" {drain, Int+5 Stlth-}
364673 | Zig:25   | Identified the +1 chain mail of the Big Bang {rN+ Will+}
364677 | Zig:25   | Identified the +3 sling "Ceash" {antimagic, rElec}
364679 | Zig:25   | Identified the +0 leather armour of the Wary Visions {rElec
                  | rC++ Int-5 Slay+5}
364680 | Zig:25   | Identified the +0 scale mail of Uskayaw's Delight {Str-3
                  | Int+5 Dex+8}
364684 | Zig:25   | Identified the +1 robe "Gogavea" {rF+ Will+}
364707 | Zig:25   | Identified the +9 scimitar "Plog" {flame, +Blink}
364715 | Zig:25   | Identified the +0 longbow "Beastslayer" {speed, Str+3
                  | Int+5}
364725 | Zig:25   | Identified the +2 pair of boots "Setep" {rF- Str+2 Slay+5}
364746 | Zig:25   | Identified the +6 spear "Igeu" {freeze, Dex+3}
364747 | Zig:25   | Identified the +9 arbalest "Uczaweem" {penet, rC- Int+4}
364748 | Zig:25   | Identified the +6 great mace of the Desert {protect, rC+
                  | Will++ Str-2 Int+7}
364755 | Zig:25   | Identified the +7 orcbow "Reisaen" {freeze, Str+3}
364760 | Zig:25   | Identified the staff of Qyism {^Drain rElec Str+8 Dex-4
                  | Conj Air}
364761 | Zig:25   | Identified the staff "Joong" {rC+ Str+4 Dex-3 Tloc Ice}
364768 | Zig:25   | Identified the +11 hand axe of Irritation {venom, rN++
                  | Str+3 Dex-5}
364770 | Zig:25   | Identified the +0 leather armour "Diafuich" {Fly}
365375 | Zig:26   | Entered Level 26 of a ziggurat
365512 | Zig:26   | Identified the +8 trident of Fragile Peace {drain, rC- rN+
                  | Will++ Int+3}
365516 | Zig:26   | Identified the +2 robe "Secuih" {Str+5}
365522 | Zig:26   | Identified the +11 battleaxe of Intimidation {antimagic,
                  | rF- Str+5}
365523 | Zig:26   | Identified the +5 hand axe of Wondrous Power {flame, rElec
                  | rC+ Int+5}
365525 | Zig:26   | Identified the +4 kite shield "Hepocziyss" {rC+}
366001 | Zig:27   | Entered Level 27 of a ziggurat
366104 | Zig:27   | Identified the +4 great mace of the Hidden Vale {freeze,
                  | rCorr Str+6 Int+3 Dex-3}
366108 | Zig:27   | Identified the +3 ring mail of Gumu {SInv}
366110 | Zig:27   | Identified the ring "Davyek" {rElec rF+++ Will- Int+2
                  | Dex+6}
366120 | Zig:27   | Identified the +7 scimitar "Ruexat" {drain, rF- Str+3
                  | Int+7}
366152 | Zig:27   | Identified the staff "Muim" {rN+ rCorr Necro}
366153 | Zig:27   | Identified the +3 quarterstaff of the Pill Bug {holy, rC+
                  | rN+ Dex-5}
366891 | Zig:27   | Identified the +9 war axe of Bankruptcy {venom, rElec rF-
                  | rN++ rCorr}
366999 | Zig:1    | Entered Level 1 of a ziggurat
367017 | Zig:2    | Entered Level 2 of a ziggurat
367122 | Zig:2    | Identified the +1 trident of the Transmuting Gods {pain,
                  | Str+3 Dex+3 Stlth+}
367242 | Zot:1    | Entered Level 1 of the Realm of Zot
367304 | Zot:2    | Found the +4 dragonskin cloak
367304 | Zot:2    | Noticed Tiamat
367313 | Zot:2    | Killed Tiamat
367355 | Zot:3    | Noticed an orb of fire
367361 | Zot:3    | Killed an orb of fire
367619 | Zot:3    | Found a runed translucent gate.
367619 | Zot:3    | Found a runed translucent gate.
367668 | Zot:3    | Noticed a dread lich
367672 | Zot:3    | Noticed a dread lich
367672 | Zot:3    | Killed a dread lich
367673 | Zot:3    | Noticed an orb of fire
367679 | Zot:3    | Killed a dread lich
367683 | Zot:3    | Killed an orb of fire
367703 | Zot:5    | Entered Level 5 of the Realm of Zot
367742 | Zot:5    | Got a prismatic gem with 660 turns to spare
367749 | Zot:5    | Noticed an ancient lich
367764 | Zot:5    | Killed an ancient lich
367766 | Zot:5    | Noticed a dread lich
367767 | Zot:5    | Killed a dread lich
367774 | Zot:5    | Noticed an orb of fire
367775 | Zot:5    | Noticed an orb of fire
367779 | Zot:5    | Killed an orb of fire
367781 | Zot:5    | Killed an orb of fire
367790 | Zot:5    | Noticed an orb of fire
367790 | Zot:5    | Noticed an orb of fire
367791 | Zot:5    | Noticed an orb of fire
367793 | Zot:5    | Killed an orb of fire
367794 | Zot:5    | Killed an orb of fire
367798 | Zot:5    | Noticed an orb of fire
367801 | Zot:5    | Killed an orb of fire
367803 | Zot:5    | Killed an orb of fire
367806 | Zot:5    | Got the Orb of Zot
367810 | Zot:5    | Noticed a dread lich
367812 | Zot:5    | Killed a dread lich
367893 | Zot:3    | Identified the +3 buckler of the Ecumenical Temple {rPois}
367898 | Zot:3    | Identified the +3 fire dragon scales of Niskuisch {rF++ rC-
                  | Str+5 Stlth+}
368185 | Vaults:1 | Noticed Emnie the pandemonium lord
368196 | Vaults:1 | Killed Emnie the pandemonium lord
368395 | Tomb:1   | Entered Level 1 of the Tomb of the Ancients
368410 | Tomb:1   | Noticed a royal mummy
368410 | Tomb:1   | Noticed a royal mummy
368412 | Tomb:1   | Noticed a royal mummy
368414 | Tomb:1   | Killed a royal mummy
368414 | Tomb:1   | Killed a royal mummy
368414 | Tomb:1   | Noticed a royal mummy
368416 | Tomb:1   | Killed a royal mummy
368417 | Tomb:1   | Killed a royal mummy
368424 | Tomb:1   | Noticed a royal mummy
368427 | Tomb:1   | Killed a royal mummy
368429 | Tomb:1   | Noticed a royal mummy
368432 | Tomb:1   | Noticed a royal mummy
368434 | Tomb:1   | Noticed a royal mummy
368435 | Tomb:1   | Killed a royal mummy
368435 | Tomb:1   | Killed a royal mummy
368437 | Tomb:1   | Noticed a royal mummy
368439 | Tomb:1   | Killed a royal mummy
368439 | Tomb:1   | Noticed a royal mummy
368441 | Tomb:1   | Killed a royal mummy
368441 | Tomb:1   | Noticed a royal mummy
368443 | Tomb:1   | Killed a royal mummy
368446 | Tomb:1   | Killed a royal mummy
368447 | Tomb:1   | Noticed a royal mummy
368451 | Tomb:1   | Killed a royal mummy
368451 | Tomb:1   | Noticed a royal mummy
368453 | Tomb:1   | Killed a royal mummy
368491 | Tomb:1   | Noticed a royal mummy
368491 | Tomb:1   | Noticed a royal mummy
368491 | Tomb:1   | Noticed a royal mummy
368492 | Tomb:1   | Noticed a royal mummy
368492 | Tomb:1   | Noticed a royal mummy
368493 | Tomb:1   | Noticed a royal mummy
368495 | Tomb:1   | Killed a royal mummy
368495 | Tomb:1   | Killed a royal mummy
368495 | Tomb:1   | Killed a royal mummy
368495 | Tomb:1   | Killed a royal mummy
368495 | Tomb:1   | Killed a royal mummy
368496 | Tomb:1   | Killed a royal mummy
368523 | Tomb:2   | Noticed a royal mummy
368528 | Tomb:2   | Noticed a royal mummy
368533 | Tomb:2   | Killed a royal mummy
368533 | Tomb:2   | Noticed a royal mummy
368537 | Tomb:2   | Killed a royal mummy
368540 | Tomb:2   | Noticed a royal mummy
368542 | Tomb:2   | Killed a royal mummy
368543 | Tomb:2   | Noticed a royal mummy
368544 | Tomb:2   | Killed a royal mummy
368549 | Tomb:2   | Killed a royal mummy
368596 | Tomb:3   | Entered Level 3 of the Tomb of the Ancients
368615 | Tomb:3   | Noticed a royal mummy
368615 | Tomb:3   | Noticed a royal mummy
368618 | Tomb:3   | Killed a royal mummy
368620 | Tomb:3   | Killed a royal mummy
368643 | Tomb:3   | Noticed Quripatsa the pandemonium lord
368648 | Tomb:3   | Killed Quripatsa the pandemonium lord
368679 | Tomb:3   | Noticed a royal mummy
368682 | Tomb:3   | Noticed a royal mummy
368685 | Tomb:3   | Killed a royal mummy
368686 | Tomb:3   | Killed a royal mummy
368686 | Tomb:3   | Noticed a royal mummy
368686 | Tomb:3   | Noticed a royal mummy
368687 | Tomb:3   | Noticed a royal mummy
368689 | Tomb:3   | Noticed a royal mummy
368690 | Tomb:3   | Killed a royal mummy
368692 | Tomb:3   | Killed a royal mummy
368693 | Tomb:3   | Killed a royal mummy
368693 | Tomb:3   | Killed a royal mummy
368695 | Tomb:3   | Noticed a royal mummy
368701 | Tomb:3   | Killed a royal mummy
368711 | Tomb:3   | Got a golden rune of Zot
368758 | Tomb:3   | Got a sanguine gem with 1800 turns to spare
368822 | Tomb:1   | Noticed a royal mummy
368823 | Tomb:1   | Noticed a royal mummy
368824 | Tomb:1   | Noticed a royal mummy
368824 | Tomb:1   | Noticed a royal mummy
368825 | Tomb:1   | Noticed a royal mummy
368828 | Tomb:1   | Killed a royal mummy
368828 | Tomb:1   | Killed a royal mummy
368828 | Tomb:1   | Killed a royal mummy
368828 | Tomb:1   | Killed a royal mummy
368828 | Tomb:1   | Killed a royal mummy
369236 | D:6      | Noticed a seraph
369238 | D:6      | Killed a seraph
369343 | D:$      | Escaped with the Orb!

Illustrated notes

Levels and vault maps discovered:
D:1:      dpeg_arrival_concentric_ovals, layout_loops_ring, supply_closet_lemuel
D:2:      layout_rooms, nicolae_ecumenical_snake_handling, basic_altar,
          serial_glass, glass_columns_b, glass_columns_b, cheibrodos_gnoll_hut
D:3:      layout_basic, nicolae_overflow_hidden_temple, serial_corexii_hall,
          chequers_hall_statues_corner_a, chequers_hall_statues_corner_a
D:4:      layout_cave_pools, mainiacjoe_overflow_chevrons, temple_green,
          minmay_quadrilaterals, uniq_blork_the_orc
D:5:      cheibrodos_barr_body, layout_loops_ring, kennysheep_potato
D:6:      layout_basic, lightli_sewer_entry_pipes
D:7:      layout_basic, nicolae_tso_besieged_by_evil,
          gammafunk_temple_overflow_statue
D:8:      layout_gridville, dpeg_lair_monsters, dreamdust_wishing_well,
          uniq_erica
D:9:      layout_irregular_city, mainiacjoe_overflow_tiny_flanked,
          grunt_decor_mini_mirrors
D:10:     layout_irregular_city, pdpol_wu_jian_five_deadly_venoms, demons_altar,
          minmay_chambers_of_fives
D:11:     layout_basic, uniq_nergalle, uniq_snorg, uniq_lodul
D:12:     layout_loops_cross, orc_0_dummy
D:13:     hangedman_what_comes_after_a, layout_basic
D:14:     layout_cave_pools, hellmonk_vaults_attempted_burglary,
          hangedman_abyss_or_decor_stagger, worms_lemuel
D:15:     hangedman_depths_entry_try_elsewhere_first, layout_small_grid
Temple:   eino_temple_lava
Lair:1:   layout_gridlike, infiniplex_staircase_pool_2, lemuel_fruit_fields,
          uniq_jeremiah
Lair:2:   minmay_lair_oklob_chamber, layout_long_grid
Lair:3:   minmay_lair_oklob_tunnel, layout_loops_ring,
          nicolae_swamp_entry_splash_gauntlet, spider_nest_entry_rubble,
          serial_rivers, chequers_serial_rivers_marsh,
          chequers_serial_rivers_small_b, chequers_serial_rivers_small_3,
          chequers_serial_rivers_room_a, chequers_serial_rivers_small_b,
          ebering_ghost_funeral_grove, uniq_urug
Lair:4:   layout_loops_ring
Lair:5:   wormcave, layout_cave_pods, minmay_slime_entry_oklob_open,
          serial_bayou_shore_b, lemuel_fruit_fields
Swamp:1:  layout_falls_marsh, evilmike_swamp_ruin_house_1, swamp_pool_1_2,
          uniq_kirke, uniq_roxanne
Swamp:2:  cheibrodos_swamp_heart_of_darkness, layout_basic_swamp,
          serial_swamp_ruin, hangedman_swamp_ruin_wall,
          evilmike_swamp_ruin_house_4, evilmike_swamp_ruin_house_2, uniq_louise
Swamp:3:  layout_falls_marsh, nicolae_swamp_stuck_in_the_mud, swamp_pool_1_2
Swamp:4:  nzn_swamp_witches_coven, layout_basic_swamp
Spider:1: layout_chambers, beargit_elvish_explorers, uniq_mlioglotl
Spider:2: nicolae_spider_obnoxious_hallway, uniq_frances, uniq_azrael
Spider:3: nicolae_spider_corner, nicolae_spider_undead_wolf_pack, uniq_arachne
Spider:4: grunt_spider_rune_island, hellmonk_ghost_happy_afterlife
Slime:1:  layout_caves, cheibrodos_slime_lost_civilization_6
Slime:2:  layout_caves, uniq_dissolution
Slime:3:  layout_caves
Slime:4:  layout_caves, cheibrodos_slime_lost_civilization_7
Slime:5:  slime_pit_nicolae_block_by_block
Orc:1:    layout_caves, serial_shops, shop, elf_legates
Orc:2:    st_orc_pillars, layout_diamond_mine, nicolae_shop_overcharged_wands,
          uniq_josephine, uniq_donald
Elf:1:    eino_elf_arrival_altar, layout_gridlike,
          nicolae_elf_shapeshifter_party, minmay_shop_star
Elf:2:    nicolae_elf_blades_crystal_corner, layout_geoelf_diagonals,
          basic_altar, uniq_asterion
Elf:3:    minmay_elf_hall_statues, layout_geoelf_castle, minmay_shoptagon
Vaults:1: nicolae_vaults_alarming, nicolae_vaults_variable_pillar_hall,
          v_misc_24, nicolae_vaults_house_2, nicolae_vaults_more_shelving_2,
          nicolae_vaults_tetromino_T_1, vaults_room_guarded_vault,
          nicolae_vaults_mini_display_case, layout_vaults_omnigrid,
          serial_shops, nicolae_shop_back_alley_shop, shop_fountains,
          nicolae_shop_real_fake_doors, shop
Vaults:2: v_alt_pattern_5, v_misc_24, nicolae_vaults_tangram_1,
          nicolae_vaults_sealed_display, v_rooms_2, nicolae_vaults_two_Ls,
          nicolae_vaults_circle_grid_a, vaults_standard_mumra_lines,
          nicolae_vaults_closet_pinwheel_1, grunt_vaults_swirl,
          vaults_mumra_chevron_long, nicolae_vaults_lightning_bolt,
          nicolae_vaults_theta, vaults_dpeg_doors, nicolae_vaults_apartment_2,
          nicolae_vaults_antechamber_and_loot_room, ontoclasm_vaults_bender,
          layout_vaults_maze_bifur, serial_shops, shop
Vaults:3: minmay_crypt_entry_simple_corners, v_rooms_6,
          vaults_room_hangedman_quadrants, nicolae_vaults_heart-shaped_vault,
          nicolae_vaults_asterisk, v_rooms_4, vaults_room_grunt_arrival_ludios,
          hangedman_vaults_cutoff, vaults_room_pools,
          nicolae_vaults_storage_room_doors, layout_vaults_omnicross
Vaults:4: st_spiral_rooms, vaults_mumra_chevron,
          ontoclasm_vaults_loading_screen, nicolae_vaults_hallways_thing,
          ontoclasm_vaults_hangar, v_alt_pattern_4, v_misc_14,
          nicolae_vaults_little_squares_3, nicolae_vaults_network_periphery,
          nicolae_vaults_turnstiles, hangedman_vaults_stretched_pinwheel,
          nicolae_vaults_double_plus_3, nicolae_vaults_specimen_jars, v_rooms_6,
          v_misc_12, nicolae_vaults_yaktaur_gun_rack, layout_vaults_omnibox,
          serial_shops, nicolae_shop_tiny_statue_garden, uniq_frederick,
          uniq_margery
Vaults:5: uniq_bai_suzhen, uniq_mara
Crypt:1:  evilmike_wizard_prison, layout_basic, gammafunk_ghost_cemetery,
          mu_enter_wizlab_3, grunt_crypt_arrival_split
Crypt:2:  layout_gridlike
Crypt:3:  church_of_pain_bobbens, layout_chaotic_city, ebering_ghost_rock_garden
Tomb:1
Tomb:2
Tomb:3
Depths:1: evilmike_iron_armoury, layout_cave_shapes, vehumet_crystals,
          grunt_hell_entry_demonic_statue, grunt_pan_entry_sceptre,
          minmay_hollow_rounded_squares, uniq_norris
Depths:2: lemuel_castle_with_subvaults [lemuel_castle_interior_original],
          layout_gridlike, pan_entry, hell_entry, hellmonk_ghost_big_iron,
          abyss_entry, infiniplex_staircase_diamond, firewood_loft
Depths:3: minmay_swirls_squares, layout_cave_pools, enter_ziggurat_c,
          abyss_entry, rand_demon_pan_entry_5, hell_entry,
          infiniplex_staircase_spiral
Depths:4: grunt_zot_entry_bicorn, layout_gridlike, hell_entry, enter_trove_6,
          elyvilon_altar_5, guppyfry_shop_venom
Hell
Dis:1:    layout_subdivisions
Dis:2:    layout_regular_city, nicolae_dis_iron_filings
Dis:3:    layout_jigsaw, glass_columns_b, nicolae_dis_metal_dragon_surprise
Dis:4:    layout_jigsaw
Dis:5:    layout_subdivisions
Dis:6:    layout_overlapping_boxes
Dis:7:    dis_st
Geh:1:    layout_gehenna_lava_caves
Geh:2:    layout_gehenna_lava_caves
Geh:3:    layout_gehenna_lava_caves
Geh:4:    layout_gehenna_pools_triple
Geh:5:    layout_gehenna_lava_caves
Geh:6:    layout_gehenna_pools_basic
Geh:7:    evilmike_geh
Coc:1:    layout_cocytus_delve
Coc:2:    layout_ice_bergs
Coc:3:    layout_cocytus_water_paths
Coc:4:    layout_cocytus_water_paths
Coc:5:    layout_ice_bergs
Coc:6:    layout_ice_bergs
Coc:7:    coc_dpeg
Tar:1:    layout_honeycomb, nicolae_hells_leichenhalle
Tar:2:    layout_grid_maze, nicolae_tar_just_some_guys
Tar:3:    layout_grid_maze
Tar:4:    layout_grid_maze
Tar:5:    layout_cathedral_of_symmetry
Tar:6:    layout_honeycomb, nicolae_tar_combbox
Tar:7:    tar_old
Zot:1:    layout_misc_corridors, regret_index_zotdec_decaying_vile
Zot:2:    layout_gridlike, uniq_tiamat
Zot:3:    regret_index_infernal_bastille, layout_basic, gammafunk_ghost_crypt,
          nicolae_zot_crop_circle
Zot:4:    layout_twisted_circle, regret_index_zotdec_iron_s, st_stairs_3
Zot:5:    layout_basic

Skill      XL: |  1  2  3  4  5  6  7  8  9 10 11 12 13 14 15 16 17 18 19 20 21 22 23 24 25 26 27 |
---------------+----------------------------------------------------------------------------------+-----
Dodging        | 2 3 4 5 6 8 9 10 12 13 14 27 | 27.0
Unarmed Combat | 3 4 5 6 7 8 9 10 11 15 17 27 | 27.0
Shapeshifting  | 3 4 5 6 7 8 11 13 14 15 16 17 18 27 | 27.0
Fighting       | 2 3 4 5 7 8 10 12 16 17 18 19 20 21 27 | 27.0
Necromancy     | 4 5 7 11 27 | 27.0
Spellcasting   | 2 4 6 9 12 14 16 17 27 | 27.0
Evocations     | 3 8 27 | 27.0
Ice Magic      | 1 4 7 27 | 27.0
Shields        | 4 8 10 12 14 16 27 | 27.0
Earth Magic    | 4 6 9 12 14 16 18 27 | 27.0
Conjurations   | 27 | 27.0
Armour         | 27 | 27.0
Fire Magic     | 27 | 27.0
Staves         | 27 | 27.0
Air Magic      | 27 | 27.0
Stealth        | 27 | 27.0
Hexes          | 27 | 27.0
Summonings     | 27 | 27.0
Translocations | 27 | 27.0
Alchemy        | 27 | 27.0
Long Blades    | 27 | 27.0
Axes           | 27 | 27.0
Short Blades   | 27 | 27.0
Maces & Flails | 27 | 27.0
Polearms       | 27 | 27.0
Ranged Weapons | 27 | 27.0
Invocations    | 27 | 27.0
Throwing       | 27 | 27.0

Action                     |  1- 3 |  4- 6 |  7- 9 | 10-12 | 13-15 | 16-18 | 19-21 | 22-24 | 25-27 || total
---------------------------+-------+-------+-------+-------+-------+-------+-------+-------+-------++-------
  Melee: Unarmed           |    91 |   197 |   553 |   762 |  1813 |  1277 |  1269 |  1716 |  6373 || 14051
         Punch             |     4 |     4 |     3 |       |       |     8 |       |       |       ||    19
         Kick              |       |    32 |   180 |   194 |       |   478 |   526 |   755 |  2140 ||  4305
         Tailslap          |       |       |    87 |   162 |   458 |   223 |   252 |   376 |  1512 ||  3070
         Peck              |       |       |       |       |       |       |       |       |   302 ||   302
         Staff             |       |       |       |       |       |       |       |       |   163 ||   163
         Broad axe         |       |       |       |       |       |       |       |       |   129 ||   129
  Throw: Javelin           |       |       |       |       |       |       |       |       |   310 ||   310
   Cast: Ozocubu's Armour  |       |       |       |       |    12 |    10 |    10 |    11 |    35 ||    78
         Fugue of the Fall |       |       |       |       |       |       |    14 |    21 |    29 ||    64
         Borgnjor's Vile C |       |       |       |       |       |       |       |     2 |   228 ||   230
         Lesser Beckoning  |       |       |       |       |       |       |       |       |   139 ||   139
         Shatter           |       |       |       |       |       |       |       |       | 10019 || 10019
         Chain Lightning   |       |       |       |       |       |       |       |       |  1534 ||  1534
         Ignition          |       |       |       |       |       |       |       |       |  1502 ||  1502
         Fire Storm        |       |       |       |       |       |       |       |       |   770 ||   770
         Polar Vortex      |       |       |       |       |       |       |       |       |   611 ||   611
         Lehudib's Crystal |       |       |       |       |       |       |       |       |   306 ||   306
         Blink             |       |       |       |       |       |       |       |       |     1 ||     1
 Invoke: Potion Petition   |       |       |     2 |       |     8 |     2 |     1 |     3 |  2763 ||  2779
         Call Merchant     |       |       |       |       |     2 |       |     2 |     5 |    11 ||    20
Ability: Begin Untransform |       |       |     1 |       |       |     1 |       |     1 |    11 ||    14
         Evoke Blink       |       |       |       |       |       |       |       |       |    23 ||    23
  Evoke: Wand              |     3 |     3 |     3 |     4 |     7 |     2 |     5 |       |   172 ||   199
         Lightning rod     |       |       |       |       |    12 |     8 |       |     4 |    45 ||    69
         Condenser vane    |       |       |       |       |       |       |       |     1 |    31 ||    32
         Figurine of a zig |       |       |       |       |       |       |       |       |    27 ||    27
         Horn of Geryon    |       |       |       |       |       |       |       |       |     2 ||     2
    Use: Potion            |       |     3 |     5 |     1 |     3 |     5 |       |     1 |   168 ||   186
         Scroll            |       |       |     5 |     4 |    19 |    13 |     9 |    14 |   207 ||   271
   Stab: Sleeping          |     2 |       |     1 |       |       |       |     5 |     2 |    10 ||    20
         Paralysed         |     7 |     6 |     6 |     5 |       |       |       |       |     2 ||    26
         Distracted        |       |       |       |     2 |    10 |     9 |    10 |     7 |    57 ||    95
         Invisible         |       |       |       |       |     4 |     2 |       |     2 |    76 ||    84
         Petrified         |       |       |       |       |     3 |       |       |       |       ||     3
 Armour: Animal skin       |    29 |       |       |       |       |       |       |       |       ||    29
         Leather armour    |     9 |   117 |    44 |       |       |       |       |       |       ||   170
         Skin              |       |    18 |   132 |   384 |   820 |  1262 |  1052 |  1350 |  6205 || 11223
         Crystal plate arm |       |       |       |       |       |       |       |       |  6395 ||  6395
         Troll leather arm |       |       |       |       |       |       |       |       |   193 ||   193
         Scale mail        |       |       |       |       |       |       |       |       |    45 ||    45
         Chain mail        |       |       |       |       |       |       |       |       |     2 ||     2
  Dodge: Dodged            |    47 |   122 |   324 |   500 |  1682 |  1584 |   995 |  1505 |  9238 || 15997
  Block: Other             |       |    12 |    85 |   103 |   271 |    14 |       |       |       ||   485
         Buckler           |       |       |       |       |       |  1055 |   241 |       |       ||  1296
         Tower shield      |       |       |       |       |       |    27 |  1311 |   681 |   577 ||  2596
         Kite shield       |       |       |       |       |       |       |   311 |  1720 |  8242 || 10273
Riposte: Staff             |       |       |       |       |       |       |       |       |     5 ||     5
   Form: Flux              |       |       |     1 |       |       |       |       |       |       ||     1
         Statue            |       |       |       |       |       |     1 |       |     1 |     1 ||     3
         Death             |       |       |       |       |       |       |       |       |    10 ||    10
